 Dungeon Crawl Stone Soup version 0.30.0-15-g856e2d3f33 (webtiles) character file.

Game seed: 8651572256650613139

5114902 shadowrider38 the Archmage (level 27, 249/249 HPs)
             Began as a Demonspawn Ice Elementalist on May 17, 2023.
             Was an Initiate of Gozag.
             Escaped with the Orb
             ... and 15 runes on May 19, 2023!
             The game lasted 18:01:37 (476548 turns).

shadowrider38 the Archmage (DsIE)                 Turns: 476548, Time: 18:01:37

Health: 249/249    AC: 62    Str: 18    XL:     27
Magic:  79/82      EV: 13    Int: 44    God:    Gozag
Gold:   950988     SH: 30    Dex: 13    Spells: 1/80 levels left

rFire   + + +        a - staff of earth "Ceenn" {+Blink rElec rN+++ rCorr}
rCold   + + +        b - +6 tower shield of the Seven Souls {*Corrode rElec Will+ SInv}
rNeg    + + +        t - +8 orange crystal plate armour {Archmagi, Int+3 Clar}
rPois   ∞            A - +3 hat of Pondering {ponderous, Will+ MP+10 Int+5}
rElec   +            c - +1 cloak of Failure {MP+9 Str+2 Int+2}
rCorr   +            (gloves unavailable)
SInv    +            N - +5 pair of boots "Ycuawah" {rF+ Str+2 Int+3}
Will    +++++        e - dreamshard necklace {*Dream Drain}
Stlth   +            V - ring "Jisunam" {rElec rC++ MP+9 Int+3}
HPRegen 1.41/turn    I - ring "Buxt" {Wiz rPois rF+ Will+++}
MPRegen 0.48/turn

%: corrode self (3%), clarity, wizardry (x1), archmagi
@: lich-form, slow
A: draining attack, torment immunity, no potions, slimy green scales 3, demonic
guardian 3, powered by death 3, augmentation 3, demonic touch 3, antennae 1,
fire resistance 1, regeneration 1, strong 1
0: Orb of Zot
}: 15/15 runes: barnacled, slimy, silver, golden, iron, obsidian, icy, bone,
abyssal, demonic, glowing, magical, fiery, dark, gossamer
a: End Transformation, Renounce Religion, Evoke Blink, Potion Petition, Call
Merchant, Bribe Branch


You escaped.
You worshipped Gozag.
Gozag was exalted by your worship.
You were an undead lich.
You visited 18 branches of the dungeon, and saw 88 of its levels.
You visited Pandemonium 2 times, and saw 19 of its levels.
You visited the Abyss 7 times.
You completed 27 ziggurats, and saw 729 of their levels.
You also visited: Trove, Bailey, Gauntlet, Wizlab and Desolation.

You collected 1971431 gold pieces.
You spent 2951 gold pieces at shops.
You paid 1017492 gold pieces to Gozag.

Inventory:

Hand Weapons
 d - the +3 greatsling "Punk" {acid, rCorr}
   (You found it on level 10 of a ziggurat)

   rCorr:     It protects you from acid and corrosion.
 f - the +8 demon trident "Rift" {distort, reach+}
   (You found it on level 14 of a ziggurat)
 s - the +7 Spriggan's Knife {stab, EV+4 Stlth+}
   (You found it on level 21 of a ziggurat)

   Stab:      It is more effective when stabbing unaware enemies, sometimes
   treating them as though they were completely helpless.
   EV:        It affects your evasion (+4).
   Stlth:     It makes you more stealthy.
 u - the +3 Elemental Staff {rElec rF+ rC+ AC+3}
   (You found it on level 26 of a ziggurat)

   It enhances your fire, ice, earth and air magic.
   AC:        It affects your AC (+3).
   rF:        It protects you from fire.
   rC:        It protects you from cold.
   rElec:     It insulates you from electricity.
 G - the +5 glaive of Koph {heavy, rElec Will+}
   (You found it on level 5 of a ziggurat)

   rElec:     It insulates you from electricity.
   Will:      It increases your willpower.
 Y - the +3 rapier of Eternal Harmony {freeze, rC+}
   (You found it on level 5 of a ziggurat)

   rC:        It protects you from cold.
 Z - the +6 Majin-Bo {spellvamp, MP+6 Int+6}
   (You found it on level 23 of a ziggurat)

   Int:       It affects your intelligence (+6).
   MP:        It affects your magic capacity (+6).
Missiles
 x - 1963 silver javelins
Armour
 b - the +6 tower shield of the Seven Souls (worn) {*Corrode rElec Will+ SInv}
   (You took it off a daeva on level 26 of a ziggurat)

   rElec:     It insulates you from electricity.
   SInv:      It lets you see invisible.
   *Corrode:  It may corrode you when you take damage.
   Will:      It increases your willpower.
 c - the +1 cloak of Failure (worn) {MP+9 Str+2 Int+2}
   (You acquired it on level 14 of a ziggurat)

   Str:       It affects your strength (+2).
   Int:       It affects your intelligence (+2).
   MP:        It affects your magic capacity (+9).
 q - the +12 tower shield "Godesa" {rPois rCorr Str+2}
   (You took it off a daeva on level 24 of a ziggurat)

   Str:       It affects your strength (+2).
   rPois:     It protects you from poison.
   rCorr:     It protects you from acid and corrosion.
 t - the +8 orange crystal plate armour (worn) {Archmagi, Int+3 Clar}
   (You found it on level 20 of a ziggurat)

   Int:       It affects your intelligence (+3).
   Clar:      It protects you from confusion, rage, mesmerisation and fear.
 A - the +3 hat of Pondering (worn) {ponderous, Will+ MP+10 Int+5}
   (You found it on level 18 of a ziggurat)

   Int:       It affects your intelligence (+5).
   MP:        It affects your magic capacity (+10).
   Will:      It increases your willpower.
 N - the +5 pair of boots "Ycuawah" (worn) {rF+ Str+2 Int+3}
   (You found it on level 20 of a ziggurat)

   Str:       It affects your strength (+2).
   Int:       It affects your intelligence (+3).
   rF:        It protects you from fire.
Magical Staves
 a - the staff of earth "Ceenn" (weapon) {+Blink rElec rN+++ rCorr}
   (You found it on level 17 of a ziggurat)

   [staff of earth]

   Base accuracy: +5 Base damage: 5 Base attack delay: 1.2 This weapon's minimum
   attack delay (0.6) is reached at skill level 12.
   rElec:     It insulates you from electricity.
   rN:        It renders you almost immune to negative energy.
   +Blink:    It lets you blink.
   rCorr:     It protects you from acid and corrosion.
   It falls into the 'Staves' category.
   It is a one-handed weapon.
 i - the staff of air "Vaqiuceo" {rElec rPois rN++ rCorr}
   (You found it on level 2 of a ziggurat)

   [staff of air]

   Base accuracy: +5 Base damage: 5 Base attack delay: 1.2 This weapon's minimum
   attack delay (0.6) is reached at skill level 12.
   rElec:     It insulates you from electricity.
   rPois:     It protects you from poison.
   rN:        It greatly protects you from negative energy.
   rCorr:     It protects you from acid and corrosion.
   It falls into the 'Staves' category.
   It is a one-handed weapon.
 k - the staff of cold "Otsialug" {*Slow rC+ MP+9 Int+9 Stlth-}
   (You found it on level 4 of a ziggurat)

   [staff of cold]

   Base accuracy: +5 Base damage: 5 Base attack delay: 1.2 This weapon's minimum
   attack delay (0.6) is reached at skill level 12.
   Int:       It affects your intelligence (+9).
   rC:        It protects you from cold.
   MP:        It affects your magic capacity (+9).
   *Slow:     It may slow you when you take damage.
   Stlth:     It makes you less stealthy.
   It falls into the 'Staves' category.
   It is a one-handed weapon.
 F - the staff of poison "Luuck" {rPois rF+ Str+5}
   (You found it on level 4 of a ziggurat)

   [staff of poison]

   Base accuracy: +5 Base damage: 5 Base attack delay: 1.2 This weapon's minimum
   attack delay (0.6) is reached at skill level 12.
   Str:       It affects your strength (+5).
   rF:        It protects you from fire.
   rPois:     It protects you from poison.
   It falls into the 'Staves' category.
   It is a one-handed weapon.
Jewellery
 e - the dreamshard necklace (around neck) {*Dream Drain}
   (You found it on level 19 of a ziggurat)

   [amulet of nothing]

   *Dream:    It shatters if its wearer takes lethal or near-lethal damage,
   preventing the blow and releasing protective dreams that heal and fight for
   the wearer.
   Drain:     It drains your maximum health when unequipped.
 l - the amulet of Nikly {RegenMP Int+7}
   (You found it on level 23 of a ziggurat)

   [amulet of magic regeneration]

   It increases your rate of magic regeneration.
   Int:       It affects your intelligence (+7).
 m - the ring "Serche Qytwaa" {Will+ rCorr Int+2 Dex-5}
   (You found it on level 3 of a ziggurat)

   [ring of resist corrosion]

   Int:       It affects your intelligence (+2).
   Dex:       It affects your dexterity (-5).
   rCorr:     It protects you from acid and corrosion.
   Will:      It increases your willpower.
 v - the ring of Prescription {rElec rC++ MP+9 Slay+4 SInv}
   (You found it on level 8 of a ziggurat)

   [ring of slaying]

   Slay:      It affects your accuracy & damage with ranged weapons and melee
   (+4).
   rC:        It greatly protects you from cold.
   rElec:     It insulates you from electricity.
   MP:        It affects your magic capacity (+9).
   SInv:      It lets you see invisible.
 z - the ring "Ozonamie" {rElec rPois rC- EV+5 Dex+6}
   (You found it on level 4 of a ziggurat)

   [ring of evasion]

   EV:        It affects your evasion (+5).
   Dex:       It affects your dexterity (+6).
   rC:        It makes you vulnerable to cold.
   rElec:     It insulates you from electricity.
   rPois:     It protects you from poison.
 C - the ring "Vodola" {rPois rF+++ Will+++ rCorr Int-4}
   (You found it on level 22 of a ziggurat)

   [ring of resist corrosion]

   Int:       It affects your intelligence (-4).
   rF:        It renders you almost immune to fire.
   rPois:     It protects you from poison.
   rCorr:     It protects you from acid and corrosion.
   Will:      It greatly increases your willpower.
 I - the ring "Buxt" (right hand) {Wiz rPois rF+ Will+++}
   (You found it on level 7 of a ziggurat)

   [ring of wizardry]

   It improves your spell success rate.
   rF:        It protects you from fire.
   rPois:     It protects you from poison.
   Will:      It greatly increases your willpower.
 P - the ring of Xom's Full Attention {rF+ AC+4 Str+6 Int+5}
   (You found it on level 25 of a ziggurat)

   [ring of protection]

   AC:        It affects your AC (+4).
   Str:       It affects your strength (+6).
   Int:       It affects your intelligence (+5).
   rF:        It protects you from fire.
 V - the ring "Jisunam" (left hand) {rElec rC++ MP+9 Int+3}
   (You found it on level 23 of a ziggurat)

   [ring of magical power]

   Int:       It affects your intelligence (+3).
   rC:        It greatly protects you from cold.
   rElec:     It insulates you from electricity.
   MP:        It affects your magic capacity (+9).
 W - the ring "Setimint" {rElec rC+ rCorr EV+5}
   (You found it on level 9 of a ziggurat)

   [ring of evasion]

   EV:        It affects your evasion (+5).
   rC:        It protects you from cold.
   rElec:     It insulates you from electricity.
   rCorr:     It protects you from acid and corrosion.
Wands
 w - a wand of quicksilver (1991)
 D - a wand of digging (1205)
Scrolls
 g - 600 scrolls of fog
 h - 113 scrolls of torment
 r - 293 scrolls of immolation
 B - 386 scrolls of blinking
 T - 1045 scrolls of teleportation
Potions
 j - 48 potions of brilliance
 n - 998 potions of mutation
 o - 243 potions of heal wounds
 p - 31 potions of invisibility
 E - 190 potions of magic
 H - 188 potions of haste
 J - 75 potions of lignification
 L - 72 potions of attraction
 Q - 177 potions of curing
 S - 186 potions of cancellation
Miscellaneous
 y - 2 +27 figurines of a ziggurat
 K - a phantom mirror
 O - a condenser vane
 R - a lightning rod (4/4)
 U - a phial of floods
 X - a box of beasts


   Skills:
 O Level 27 Fighting
 O Level 27 Short Blades
 O Level 27 Long Blades
 O Level 27 Axes
 O Level 27 Maces & Flails
 O Level 27 Polearms
 O Level 27 Staves
 O Level 27 Ranged Weapons
 O Level 27 Throwing
 O Level 27 Armour
 O Level 27 Dodging
 O Level 27 Stealth
 O Level 27 Shields
 O Level 27 Unarmed Combat
 O Level 27 Spellcasting
 O Level 27 Conjurations
 O Level 27 Hexes
 O Level 27 Summonings
 O Level 27 Necromancy
 O Level 27 Translocations
 O Level 27 Transmutations
 O Level 27 Fire Magic
 O Level 27 Ice Magic
 O Level 27 Air Magic
 O Level 27 Earth Magic
 O Level 27 Poison Magic
 O Level 27 Invocations
 O Level 27 Evocations


You had one spell level left.
You knew the following spells:

 Your Spells              Type           Power      Damage    Failure   Level
a - Polar Vortex          Ice            100%       N/A       1%          9
b - Death's Door          Necr           100%       N/A       1%          9
c - Shatter               Erth           100%       3d71*     1%          9
d - Maxwell's Capacitive  Air            100%       ∞         1%          8
e - Passwall              Tmut/Erth      100%       N/A       0%          2
f - Ignition              Fire           100%       3d25      1%          8
g - Necromutation         Tmut/Necr      100%       N/A       1%          8
h - Disjunction           Tloc           100%       N/A       1%          8
i - Chain Lightning       Conj/Air       100%       3d133     1%          9
j - Apportation           Tloc           100%       N/A       0%          1
w - Borgnjor's Revivific  Necr           100%       N/A       1%          8

Your spell library contained the following spells:

 Spells                   Type           Power      Damage    Failure   Level
 Beastly Appendage        Tmut           100%       N/A       0%          1
 Foxfire                  Conj/Fire      100%       2x1d9     0%          1
 Freeze                   Ice            100%       1d10      0%          1
 Kiss of Death            Conj/Necr      100%       2d13      0%          1
 Magic Dart               Conj           100%       1d8       0%          1
 Necrotise                Necr           100%       1d9       0%          1
 Sandblast                Erth           100%       2d20      0%          1
 Shock                    Conj/Air       100%       1d9       0%          1
 Slow                     Hex            100%       N/A       0%          1
 Sting                    Tmut/Pois      100%       1d8       0%          1
 Summon Small Mammal      Summ           100%       N/A       0%          1
 Blink                    Tloc           100%       N/A       0%          2
 Call Imp                 Summ           100%       N/A       0%          2
 Cigotuvi's Dreadful Rot  Necr/Pois/Air  100%       N/A       0%          2
 Ensorcelled Hibernation  Hex/Ice        100%       N/A       0%          2
 Lesser Beckoning         Tloc           100%       N/A       0%          2
 Momentum Strike          Conj/Tloc      100%       3d10      0%          2
 Poisonous Vapours        Pois/Air       100%       N/A       0%          2
 Scorch                   Fire           100%       2d9       0%          2
 Searing Ray              Conj           100%       2d8       0%          2
 Static Discharge         Conj/Air       100%       2-7/arc   0%          2
 Sublimation of Blood     Necr           100%       N/A       0%          2
 Wereblood                Tmut           100%       N/A       0%          2
 Call Canine Familiar     Summ           100%       N/A       0%          3
 Confusing Touch          Hex            100%       N/A       0%          3
 Dazzling Flash           Conj/Hex       100%       N/A       0%          3
 Frozen Ramparts          Ice            100%       1d16      0%          3
 Gell's Gravitas          Tloc           100%       N/A       0%          3
 Hailstorm                Conj/Ice       100%       3d20      0%          3
 Ignite Poison            Fire/Tmut/Pois 100%       N/A       0%          3
 Inner Flame              Hex/Fire       100%       N/A       0%          3
 Mephitic Cloud           Conj/Pois/Air  100%       N/A       0%          3
 Ozocubu's Armour         Ice            100%       N/A       0%          3
 Portal Projectile        Hex/Tloc       100%       N/A       0%          3
 Spider Form              Tmut/Pois      100%       N/A       0%          3
 Stone Arrow              Conj/Erth      100%       3d13      0%          3
 Summon Guardian Golem    Hex/Summ       100%       N/A       0%          3
 Swiftness                Air            100%       N/A       0%          3
 Teleport Other           Tloc           100%       N/A       0%          3
 Tukima's Dance           Hex            100%       N/A       0%          3
 Vampiric Draining        Necr           100%       2d13      0%          3
 Vhi's Electric Charge    Tloc/Air       100%       N/A       0%          3
 Volatile Blastmotes      Fire/Tloc      100%       2d18      0%          3
 Airstrike                Air            100%       2d(15-31) 0%          4
 Anguish                  Hex/Necr       100%       N/A       0%          4
 Animate Armour           Summ/Erth      100%       N/A       0%          4
 Cause Fear               Hex            100%       N/A       0%          4
 Dispel Undead            Necr           100%       3d31      0%          4
 Flame Wave               Conj/Fire      100%       2d21      0%          4
 Fulminant Prism          Conj/Hex       100%       3d40      0%          4
 Ice Form                 Ice/Tmut       100%       N/A       0%          4
 Iskenderun's Mystic Bla  Conj/Tloc      100%       2d19      0%          4
 Leda's Liquefaction      Hex/Erth       100%       N/A       0%          4
 Manifold Assault         Tloc           100%       N/A       0%          4
 Olgreb's Toxic Radiance  Pois           100%       N/A       0%          4
 Passage of Golubria      Tloc           100%       N/A       0%          4
 Petrify                  Tmut/Erth      100%       N/A       0%          4
 Sticky Flame             Conj/Fire      100%       2d11      0%          4
 Summon Ice Beast         Ice/Summ       100%       N/A       0%          4
 Summon Lightning Spire   Summ/Air       100%       N/A       0%          4
 Agony                    Necr           100%       N/A       0%          5
 Alistair's Intoxication  Tmut/Pois      100%       N/A       0%          5
 Arcjolt                  Conj/Air       100%       1d110     0%          5
 Blade Hands              Tmut           100%       N/A       0%          5
 Borgnjor's Vile Clutch   Necr/Erth      100%       N/A       0%          5
 Fireball                 Conj/Fire      100%       3d36      0%          5
 Freezing Cloud           Conj/Ice/Air   100%       6-21      0%          5
 Irradiate                Conj/Tmut      100%       3d45      0%          5
 Iskenderun's Battlesphe  Conj           100%       2d15      0%          5
 Lee's Rapid Deconstruct  Erth           100%       3d44*     0%          5
 Metabolic Englaciation   Hex/Ice        100%       N/A       0%          5
 Silence                  Hex/Air        100%       N/A       0%          5
 Summon Forest            Summ/Tloc      100%       N/A       0%          5
 Summon Mana Viper        Hex/Summ       100%       N/A       0%          5
 Yara's Violent Unravell  Hex/Tmut       100%       3d36      0%          5
 Conjure Ball Lightning   Conj/Air       100%       3x3d38    0%          6
 Death Channel            Necr           100%       N/A       0%          6
 Dispersal                Tloc           100%       N/A       0%          6
 Eringya's Noxious Bog    Tmut/Pois      100%       N/A       0%          6
 Iron Shot                Conj/Erth      100%       9d18      0%          6
 Plasma Beam              Fire/Air       100%       2x1d131   0%          6
 Starburst                Conj/Fire      100%       6d25      0%          6
 Statue Form              Tmut/Erth      100%       N/A       0%          6
 Summon Cactus Giant      Summ           100%       N/A       0%          6
 Dragon Form              Tmut           100%       N/A       1%          7
 Enfeeble                 Hex            100%       N/A       1%          7
 Haunt                    Necr/Summ      100%       N/A       1%          7
 Malign Gateway           Summ/Tloc      100%       N/A       1%          7
 Monstrous Menagerie      Summ           100%       N/A       1%          7
 Orb of Destruction       Conj           100%       9d21      1%          7
 Ozocubu's Refrigeration  Ice            100%       4d29      1%          7
 Spellforged Servitor     Conj/Summ      100%       N/A       1%          7
 Storm Form               Tmut/Air       100%       N/A       1%          7
 Summon Hydra             Summ           100%       N/A       1%          7
 Discord                  Hex            100%       N/A       1%          8
 Infestation              Necr           100%       N/A       1%          8
 Lehudib's Crystal Spear  Conj/Erth      100%       10d22     1%          8
 Summon Horrible Things   Summ           100%       N/A       1%          8
 Dragon's Call            Summ           100%       N/A       1%          9
 Fire Storm               Conj/Fire      100%       8d25      1%          9
 Animate Dead             Necr           Unusable   N/A       N/A         4
 Simulacrum               Ice/Necr       Unusable   N/A       N/A         6

Dungeon Overview and Level Annotations

Branches:
Dungeon (15/15)            Temple (1/1) D:4            Lair (5/5) D:8
 Shoals (4/4) Lair:3       Spider (4/4) Lair:2        Slime (5/5) Lair:4
    Orc (2/2) D:9             Elf (3/3) Orc:2        Vaults (5/5) D:14
  Crypt (3/3) Vaults:3       Tomb (3/3) Crypt:3      Depths (4/4) D:15
   Hell (visited)             Dis (7/7) Hell            Geh (7/7) Hell
    Coc (7/7) Hell            Tar (7/7) Hell            Zot (5/5) Depths:4
 Bailey (visited)          WizLab (visited)         Desolation (visited)
Gauntlet (visited)

Altars:
Cheibriados
Fedhas
Gozag
Hepliaklqana
Kikubaaqudgha
Makhleb
Nemelex Xobeh
Okawaru
Qazlal
Ru
Sif Muna
Trog
Uskayaw
Vehumet
Wu Jian
Yredelemnul
Jiyva
Lugonu

Shops:
D:3 :   Orc:2 [*:!   Elf:1 :   Elf:2 *   Vaults:3 [!:   Vaults:4 [   Depths:1 :
Depths:4 [

Portals:
Hell: Depths:1 Depths:2 Depths:3 Depths:4
Abyss: Depths:1 Depths:3
Pandemonium: Orc:2 Depths:1 Depths:2

Annotations:
D:4 2 transporters, Twinkles's ghost, amateur HOFi
D:10 exclusion: downstairs
D:11 exclusion: 2 downstairs
D:13 exclusion: downstairs
Lair:4 exclusion: downstairs
Shoals:2 exclusion: downstairs
Spider:1 2 transporters, Irreverend's ghost, adept MiFi
Vaults:3 exclusion: downstairs
Depths:3 2 runed translucent doors


Innate Abilities, Weirdness & Mutations

You are an undead lich.
Your unarmed attacks are suffused with negative energy.
You are immune to unholy pain and torment.
Your necromantic spells are more powerful.
You cannot drink.
You are completely covered in slimy green scales. (AC +4, rPois)
A powerful demonic guardian rushes to your aid.
You regenerate a lot of health from kills.
Your magical and physical power is greatly enhanced at high health.
Your touch may irresistibly damage your foes and sap their willpower.
You have a pair of small antennae on your head.
Your flesh is heat resistant. (rF+)
Your natural rate of healing is unusually fast.
Your muscles are strong. (Str +4, Int/Dex -1)


Message History

You see here a +0 club.
You see here a +0 hand axe.
There is an open door here.
There is a stone staircase leading up here.
You climb upwards.
There is a stone staircase leading down here.
Things that are here:
a +0 chain mail; a +0 hand axe
There is a stone staircase leading up here.
You climb upwards.
There is a stone staircase leading down here.
An orange demon comes into view.
Unknown command.
Unknown command.
Unknown command.
Unknown command.
Unknown command.
Casting: Polar Vortex (dangerous; 1% risk of failure)
Confirm with . or Enter, or press ? or * to list all spells.
You feel a surge of power!
Your body is suffused with negative energy!
Casting: Necromutation (mildly dangerous; 1% risk of failure)
Confirm with . or Enter, or press ? or * to list all spells.
You feel a surge of power!
A great freezing vortex appears and lifts you up.
The orange demon stings you from afar. The orange demon stings you.
You block the orange demon's attack.
You hit the orange demon!
You shatter the orange demon!!
You kill the orange demon!
You now have 950988 gold pieces (gained 5).
You can't go up here!
The winds around you start to calm down.
You float gracefully downwards.
There is a stone staircase leading up here.
You are engulfed in whirling frost.
You climb upwards.
There is a stone staircase leading down here.
(D) Dungeon (T) Temple (L) Lair (A) Shoals (N) Spider Nest (M) Slime Pits (O) Orcish Mines (E) Elven Halls (V) Vaults (C) Crypt (W) Tomb (U) Depths (H) Hell (I) Dis (G) Gehenna (X) Cocytus (Y) Tartarus (Z) Zot
Where to? (Enter - D:1 @ (x,y), ? - help)
What level of the Dungeon? (default 1, ? - help)
The winds around you calm down.
There is an open door here.
There is an open door here.
There is a staircase leading out of the dungeon here.
Unknown command.
You have escaped!

##.###.#.....##.##..[..
#.## ##.........##.....
##.###.#.....##.##.....
##.#.##.....##........
###.######.###.##.....
#.....####..##.##.##.#
#.#≈≈≈≈≈≈≈≈.≈≈≈≈≈≈≈≈.#
#.#≈####≈≈≈.≈≈≈####≈.#
#.#≈#L.####'####.⌠#≈##
#.#≈#..'.......'..#≈..
#.#≈##'####+####'##≈.#
#..≈≈#.#.......#.#≈≈.#
###≈≈#.#...8...#.#≈≈).
≈≈#.'.#####.+.#≈≈..
≈≈#.#...8...#.#≈≈..
≈≈#.#.......#.#≈≈..
≈##+####'####'##≈..


There were no monsters in sight!

Vanquished Creatures
  Cerebov (Pan)
  The ghost of Haitsiopt the Axe Maniac, a legendary DsGl of Makhleb (Zig:20)
  The ghost of Haitsiopt the Axe Maniac, a legendary DsGl of Makhleb (Zig:20)
  The ghost of Haitsiopt the Axe Maniac, a legendary DsGl of Makhleb (Zig:20)
  The ghost of Haitsiopt the Axe Maniac, a legendary DsGl of Makhleb (Zig:16)
  The ghost of Haitsiopt the Axe Maniac, a legendary DsGl of Makhleb (Zig:20)
  The ghost of Haitsiopt the Axe Maniac, a legendary DsGl of Makhleb (Zig:14)
  The ghost of Haitsiopt the Axe Maniac, a legendary DsGl of Makhleb (Zig:9)
  The ghost of Haitsiopt the Axe Maniac, a legendary DsGl of Makhleb (Zig:22)
  The ghost of Haitsiopt the Axe Maniac, a legendary DsGl of Makhleb (Zig:9)
  The ghost of Haitsiopt the Axe Maniac, a legendary DsGl of Makhleb (Zig:27)
  The ghost of Haitsiopt the Axe Maniac, a legendary DsGl of Makhleb (Zig:22)
  The ghost of Haitsiopt the Axe Maniac, a legendary DsGl of Makhleb (Zig:27)
  The ghost of Haitsiopt the Axe Maniac, a legendary DsGl of Makhleb (Zig:27)
  The ghost of Haitsiopt the Axe Maniac, a legendary DsGl of Makhleb (Zig:27)
  Antaeus (Coc:7)
  The ghost of Vuopse the Conqueror, a legendary GnIE of Ashenzari (Zig:14)
  The ghost of Vuopse the Conqueror, a legendary GnIE of Ashenzari (Zig:27)
  The ghost of Vuopse the Conqueror, a legendary GnIE of Ashenzari (Zig:20)
  The ghost of Vuopse the Conqueror, a legendary GnIE of Ashenzari (Zig:18)
  The ghost of Vuopse the Conqueror, a legendary GnIE of Ashenzari (Zig:27)
  The ghost of Vuopse the Conqueror, a legendary GnIE of Ashenzari (Zig:27)
  The ghost of Vuopse the Conqueror, a legendary GnIE of Ashenzari (Zig:20)
  The ghost of Vuopse the Conqueror, a legendary GnIE of Ashenzari (Zig:22)
  The ghost of Vuopse the Conqueror, a legendary GnIE of Ashenzari (Zig:27)
  The ghost of Vuopse the Conqueror, a legendary GnIE of Ashenzari (Zig:20)
  The ghost of Vuopse the Conqueror, a legendary GnIE of Ashenzari (Zig:16)
  The ghost of SevenDeadlySins the Archmage, a legendary DrCj of Vehumet (Zig:20)
  The ghost of SevenDeadlySins the Archmage, a legendary DrCj of Vehumet (Zig:22)
  The ghost of SevenDeadlySins the Archmage, a legendary DrCj of Vehumet (Zig:22)
  The ghost of SevenDeadlySins the Archmage, a legendary DrCj of Vehumet (Zig:27)
  The ghost of SevenDeadlySins the Archmage, a legendary DrCj of Vehumet (Zig:27)
  The ghost of SevenDeadlySins the Archmage, a legendary DrCj of Vehumet (Zig:22)
  The ghost of SevenDeadlySins the Archmage, a legendary DrCj of Vehumet (Zig:16)
  The ghost of SevenDeadlySins the Archmage, a legendary DrCj of Vehumet (Zig:22)
  The ghost of SevenDeadlySins the Archmage, a legendary DrCj of Vehumet (Zig:22)
  The ghost of SevenDeadlySins the Archmage, a legendary DrCj of Vehumet (Zig:27)
  The ghost of SevenDeadlySins the Archmage, a legendary DrCj of Vehumet (Zig:20)
  The ghost of SevenDeadlySins the Archmage, a legendary DrCj of Vehumet (Zig:9)
  The ghost of SevenDeadlySins the Archmage, a legendary DrCj of Vehumet (Zig:22)
  The ghost of SevenDeadlySins the Archmage, a legendary DrCj of Vehumet (Zig:20)
  The ghost of SevenDeadlySins the Archmage, a legendary DrCj of Vehumet (Zig:20)
  The ghost of SevenDeadlySins the Archmage, a legendary DrCj of Vehumet (Zig:22)
  The ghost of SevenDeadlySins the Archmage, a legendary DrCj of Vehumet (Zig:27)
  Asmodeus (Geh:7)
  the Royal Jelly (Slime:5)
  Gloorx Vloq (Pan)
  Ereshkigal (Tar:7)
  The ghost of astronautguy the Formicid Barricade, a legendary FoEE of Makhleb (Zig:27)
  The ghost of astronautguy the Formicid Barricade, a legendary FoEE of Makhleb (Zig:27)
  The ghost of astronautguy the Formicid Barricade, a legendary FoEE of Makhleb (Zig:27)
  The ghost of astronautguy the Formicid Barricade, a legendary FoEE of Makhleb (Zig:27)
  The ghost of astronautguy the Formicid Barricade, a legendary FoEE of Makhleb (Zig:27)
  The ghost of astronautguy the Formicid Barricade, a legendary FoEE of Makhleb (Zig:20)
  The ghost of astronautguy the Formicid Barricade, a legendary FoEE of Makhleb (Zig:22)
  The ghost of astronautguy the Formicid Barricade, a legendary FoEE of Makhleb (Zig:27)
  The ghost of astronautguy the Formicid Barricade, a legendary FoEE of Makhleb (Zig:20)
  The ghost of astronautguy the Formicid Barricade, a legendary FoEE of Makhleb (Zig:22)
  The ghost of astronautguy the Formicid Barricade, a legendary FoEE of Makhleb (Zig:20)
  The ghost of astronautguy the Formicid Barricade, a legendary FoEE of Makhleb (Zig:20)
  The ghost of astronautguy the Formicid Barricade, a legendary FoEE of Makhleb (Zig:20)
  The ghost of astronautguy the Formicid Barricade, a legendary FoEE of Makhleb (Zig:27)
  The ghost of astronautguy the Formicid Barricade, a legendary FoEE of Makhleb (Zig:27)
  The ghost of astronautguy the Formicid Barricade, a legendary FoEE of Makhleb (Zig:22)
  The ghost of scarywalker64 the Petrodigitator, a legendary GrEE of Vehumet (Zig:20)
  The ghost of scarywalker64 the Petrodigitator, a legendary GrEE of Vehumet (Zig:27)
  The ghost of scarywalker64 the Petrodigitator, a legendary GrEE of Vehumet (Zig:20)
  The ghost of scarywalker64 the Petrodigitator, a legendary GrEE of Vehumet (Zig:27)
  The ghost of scarywalker64 the Petrodigitator, a legendary GrEE of Vehumet (Zig:22)
  Lom Lobon (Pan)
  The ghost of Motirgh the Ruinous, a legendary DgHW (Zig:22)
  The ghost of Motirgh the Ruinous, a legendary DgHW (Zig:22)
  The ghost of Motirgh the Ruinous, a legendary DgHW (Zig:22)
  The ghost of Motirgh the Ruinous, a legendary DgHW (Zig:22)
  The ghost of Motirgh the Ruinous, a legendary DgHW (Zig:27)
  The ghost of Motirgh the Ruinous, a legendary DgHW (Zig:27)
  The ghost of Motirgh the Ruinous, a legendary DgHW (Zig:27)
  The ghost of Motirgh the Ruinous, a legendary DgHW (Zig:22)
  The ghost of Motirgh the Ruinous, a legendary DgHW (Zig:20)
  The ghost of Motirgh the Ruinous, a legendary DgHW (Zig:14)
  The ghost of Motirgh the Ruinous, a legendary DgHW (Zig:27)
  The ghost of Motirgh the Ruinous, a legendary DgHW (Zig:27)
  The ghost of Motirgh the Ruinous, a legendary DgHW (Zig:27)
  The ghost of Motirgh the Ruinous, a legendary DgHW (Zig:20)
  the Serpent of Hell (Dis:7)
  The ghost of Nenig the Conqueror, a legendary GnFi of Okawaru (Zig:20)
  The ghost of Nenig the Conqueror, a legendary GnFi of Okawaru (Zig:20)
  The ghost of Nenig the Conqueror, a legendary GnFi of Okawaru (Zig:20)
  The ghost of Nenig the Conqueror, a legendary GnFi of Okawaru (Zig:16)
  The ghost of Nenig the Conqueror, a legendary GnFi of Okawaru (Zig:20)
  The ghost of Nenig the Conqueror, a legendary GnFi of Okawaru (Zig:27)
  The ghost of Nenig the Conqueror, a legendary GnFi of Okawaru (Zig:27)
  The ghost of Nenig the Conqueror, a legendary GnFi of Okawaru (Zig:27)
  The ghost of Nenig the Conqueror, a legendary GnFi of Okawaru (Zig:27)
  The ghost of Nenig the Conqueror, a legendary GnFi of Okawaru (Zig:20)
  The ghost of Nenig the Conqueror, a legendary GnFi of Okawaru (Zig:22)
  The ghost of Nenig the Conqueror, a legendary GnFi of Okawaru (Zig:16)
  The ghost of Nenig the Conqueror, a legendary GnFi of Okawaru (Zig:27)
  The ghost of Nenig the Conqueror, a legendary GnFi of Okawaru (Zig:22)
  The ghost of Nenig the Conqueror, a legendary GnFi of Okawaru (Zig:27)
  The ghost of Xiwu the Conqueror, a legendary MiFi of the Shining One (Zig:27)
  The ghost of Huju the Spawn of Chaos, a legendary HOFi of Makhleb (Zig:27)
  The ghost of Xiwu the Conqueror, a legendary MiFi of the Shining One (Zig:22)
  The ghost of Xiwu the Conqueror, a legendary MiFi of the Shining One (Zig:27)
  The ghost of Xiwu the Conqueror, a legendary MiFi of the Shining One (Zig:20)
  The ghost of Xiwu the Conqueror, a legendary MiFi of the Shining One (Zig:27)
  The ghost of Xiwu the Conqueror, a legendary MiFi of the Shining One (Zig:22)
  The ghost of Huju the Spawn of Chaos, a legendary HOFi of Makhleb (Zig:20)
  The ghost of Xiwu the Conqueror, a legendary MiFi of the Shining One (Zig:22)
  The ghost of Xiwu the Conqueror, a legendary MiFi of the Shining One (Zig:22)
  The ghost of Xiwu the Conqueror, a legendary MiFi of the Shining One (Zig:22)
  The ghost of Huju the Spawn of Chaos, a legendary HOFi of Makhleb (Zig:22)
  The ghost of Huju the Spawn of Chaos, a legendary HOFi of Makhleb (Zig:20)
  The ghost of Huju the Spawn of Chaos, a legendary HOFi of Makhleb (Zig:20)
  The ghost of Huju the Spawn of Chaos, a legendary HOFi of Makhleb (Zig:27)
  The ghost of Xiwu the Conqueror, a legendary MiFi of the Shining One (Zig:27)
  The ghost of Xiwu the Conqueror, a legendary MiFi of the Shining One (Zig:27)
  The ghost of Huju the Spawn of Chaos, a legendary HOFi of Makhleb (Zig:16)
  The ghost of Xiwu the Conqueror, a legendary MiFi of the Shining One (Zig:27)
  The ghost of Xiwu the Conqueror, a legendary MiFi of the Shining One (Zig:27)
  The ghost of Xiwu the Conqueror, a legendary MiFi of the Shining One (Zig:22)
  The ghost of Ikusitist the Infernalist, a legendary NaFE of Cheibriados (Zig:9)
  The ghost of Ikusitist the Infernalist, a legendary NaFE of Cheibriados (Zig:20)
  The ghost of Ikusitist the Infernalist, a legendary NaFE of Cheibriados (Zig:22)
  The ghost of Ikusitist the Infernalist, a legendary NaFE of Cheibriados (Zig:22)
  The ghost of Ikusitist the Infernalist, a legendary NaFE of Cheibriados (Zig:27)
  The ghost of Ikusitist the Infernalist, a legendary NaFE of Cheibriados (Zig:20)
  The ghost of Ikusitist the Infernalist, a legendary NaFE of Cheibriados (Zig:20)
  The ghost of Ikusitist the Infernalist, a legendary NaFE of Cheibriados (Zig:20)
  The ghost of Ikusitist the Infernalist, a legendary NaFE of Cheibriados (Zig:22)
  The ghost of Ikusitist the Infernalist, a legendary NaFE of Cheibriados (Zig:27)
  The ghost of Ikusitist the Infernalist, a legendary NaFE of Cheibriados (Zig:22)
  Mnoleg (Pan)
  The ghost of Oreexun the Archmage, a legendary DECj of Vehumet (Zig:27)
  The ghost of Oreexun the Archmage, a legendary DECj of Vehumet (Zig:20)
  The ghost of Oreexun the Archmage, a legendary DECj of Vehumet (Zig:27)
  The ghost of Oreexun the Archmage, a legendary DECj of Vehumet (Zig:20)
  The ghost of Oreexun the Archmage, a legendary DECj of Vehumet (Zig:27)
  1284 dread liches
  The ghost of tigertrap the Metallomancer, a legendary DgHW (Zig:20)
  The ghost of tigertrap the Metallomancer, a legendary DgHW (Zig:27)
  The ghost of tigertrap the Metallomancer, a legendary DgHW (Zig:22)
  The ghost of tigertrap the Metallomancer, a legendary DgHW (Zig:20)
  The ghost of tigertrap the Metallomancer, a legendary DgHW (Zig:27)
  The ghost of tigertrap the Metallomancer, a legendary DgHW (Zig:27)
  The ghost of tigertrap the Metallomancer, a legendary DgHW (Zig:20)
  The ghost of tigertrap the Metallomancer, a legendary DgHW (Zig:27)
  The ghost of tigertrap the Metallomancer, a legendary DgHW (Zig:22)
  The ghost of tigertrap the Metallomancer, a legendary DgHW (Zig:27)
  Tiamat (Zot:1)
  The ghost of Piginabag the Conqueror, a legendary DsSk of Gozag (Zig:20)
  The ghost of WiseOSalty the Conqueror, a legendary TrGl of Qazlal (Zig:20)
  The ghost of Piginabag the Conqueror, a legendary DsSk of Gozag (Zig:20)
  The ghost of WiseOSalty the Conqueror, a legendary TrGl of Qazlal (Zig:22)
  The ghost of WiseOSalty the Conqueror, a legendary TrGl of Qazlal (Zig:27)
  The ghost of WiseOSalty the Conqueror, a legendary TrGl of Qazlal (Zig:20)
  The ghost of Piginabag the Conqueror, a legendary DsSk of Gozag (Zig:22)
  The ghost of Piginabag the Conqueror, a legendary DsSk of Gozag (Zig:20)
  The ghost of Piginabag the Conqueror, a legendary DsSk of Gozag (Zig:14)
  The ghost of WiseOSalty the Conqueror, a legendary TrGl of Qazlal (Zig:20)
  The ghost of Piginabag the Conqueror, a legendary DsSk of Gozag (Zig:22)
  The ghost of WiseOSalty the Conqueror, a legendary TrGl of Qazlal (Zig:27)
  The ghost of Piginabag the Conqueror, a legendary DsSk of Gozag (Zig:22)
  The ghost of Piginabag the Conqueror, a legendary DsSk of Gozag (Zig:20)
  The ghost of Piginabag the Conqueror, a legendary DsSk of Gozag (Zig:27)
  The ghost of Piginabag the Conqueror, a legendary DsSk of Gozag (Zig:22)
  The ghost of WiseOSalty the Conqueror, a legendary TrGl of Qazlal (Zig:20)
  The ghost of Piginabag the Conqueror, a legendary DsSk of Gozag (Zig:16)
  The ghost of Piginabag the Conqueror, a legendary DsSk of Gozag (Zig:22)
  The ghost of Piginabag the Conqueror, a legendary DsSk of Gozag (Zig:20)
  The ghost of WiseOSalty the Conqueror, a legendary TrGl of Qazlal (Zig:22)
  The ghost of WiseOSalty the Conqueror, a legendary TrGl of Qazlal (Zig:27)
  The ghost of WiseOSalty the Conqueror, a legendary TrGl of Qazlal (Zig:27)
  The ghost of WiseOSalty the Conqueror, a legendary TrGl of Qazlal (Zig:22)
  The ghost of WiseOSalty the Conqueror, a legendary TrGl of Qazlal (Zig:27)
  The ghost of WiseOSalty the Conqueror, a legendary TrGl of Qazlal (Zig:22)
  The ghost of WiseOSalty the Conqueror, a legendary TrGl of Qazlal (Zig:27)
  The ghost of Teaz Xo Upt the Hoplite, a legendary GnFE of Ashenzari (Zig:16)
  The ghost of Teaz Xo Upt the Hoplite, a legendary GnFE of Ashenzari (Zig:9)
  The ghost of Teaz Xo Upt the Hoplite, a legendary GnFE of Ashenzari (Zig:16)
  The ghost of Teaz Xo Upt the Hoplite, a legendary GnFE of Ashenzari (Zig:27)
  The ghost of Teaz Xo Upt the Hoplite, a legendary GnFE of Ashenzari (Zig:22)
  The ghost of Teaz Xo Upt the Hoplite, a legendary GnFE of Ashenzari (Zig:20)
  The ghost of Teaz Xo Upt the Hoplite, a legendary GnFE of Ashenzari (Zig:16)
  The ghost of Teaz Xo Upt the Hoplite, a legendary GnFE of Ashenzari (Zig:22)
  The ghost of Teaz Xo Upt the Hoplite, a legendary GnFE of Ashenzari (Zig:27)
  The ghost of Teaz Xo Upt the Hoplite, a legendary GnFE of Ashenzari (Zig:27)
  Dispater (Dis:7)
  The ghost of Xuqyot the Conqueror, a legendary DsFi of Jiyva (Zig:22)
  The ghost of Xuqyot the Conqueror, a legendary DsFi of Jiyva (Zig:9)
  The ghost of Xuqyot the Conqueror, a legendary DsFi of Jiyva (Zig:27)
  The ghost of Xuqyot the Conqueror, a legendary DsFi of Jiyva (Zig:22)
  The ghost of Xuqyot the Conqueror, a legendary DsFi of Jiyva (Zig:27)
  The ghost of Xuqyot the Conqueror, a legendary DsFi of Jiyva (Zig:22)
  The ghost of Xuqyot the Conqueror, a legendary DsFi of Jiyva (Zig:27)
  1353 ancient liches
  The ghost of Diezoyro the Conqueror, a legendary DDNe of Makhleb (Zig:16)
  The ghost of Diezoyro the Conqueror, a legendary DDNe of Makhleb (Zig:22)
  The ghost of Diezoyro the Conqueror, a legendary DDNe of Makhleb (Zig:22)
  The ghost of Diezoyro the Conqueror, a legendary DDNe of Makhleb (Zig:20)
  The ghost of Diezoyro the Conqueror, a legendary DDNe of Makhleb (Zig:20)
  The ghost of Diezoyro the Conqueror, a legendary DDNe of Makhleb (Zig:27)
  The ghost of Diezoyro the Conqueror, a legendary DDNe of Makhleb (Zig:22)
  The ghost of Diezoyro the Conqueror, a legendary DDNe of Makhleb (Zig:22)
  The ghost of Diezoyro the Conqueror, a legendary DDNe of Makhleb (Zig:27)
  The ghost of Diezoyro the Conqueror, a legendary DDNe of Makhleb (Zig:18)
  The ghost of Diezoyro the Conqueror, a legendary DDNe of Makhleb (Zig:22)
  87 orbs of fire
  The ghost of Fenir the Acrobat, a legendary GnAE of Ashenzari (Zig:22)
  The ghost of Fenir the Acrobat, a legendary GnAE of Ashenzari (Zig:9)
  The ghost of Fenir the Acrobat, a legendary GnAE of Ashenzari (Zig:22)
  The ghost of Fenir the Acrobat, a legendary GnAE of Ashenzari (Zig:20)
  The ghost of Fenir the Acrobat, a legendary GnAE of Ashenzari (Zig:27)
  The ghost of Fenir the Acrobat, a legendary GnAE of Ashenzari (Zig:27)
  The ghost of Fenir the Acrobat, a legendary GnAE of Ashenzari (Zig:27)
  The ghost of Fenir the Acrobat, a legendary GnAE of Ashenzari (Zig:27)
  The ghost of Fenir the Acrobat, a legendary GnAE of Ashenzari (Zig:27)
  The ghost of Fenir the Acrobat, a legendary GnAE of Ashenzari (Zig:22)
  The ghost of Fenir the Acrobat, a legendary GnAE of Ashenzari (Zig:22)
  The ghost of swap the Archmage, a legendary DEFE of Vehumet (Zig:22)
  The ghost of swap the Archmage, a legendary DEFE of Vehumet (Zig:27)
  The ghost of swap the Archmage, a legendary DEFE of Vehumet (Zig:27)
  The ghost of swap the Archmage, a legendary DEFE of Vehumet (Zig:27)
  The ghost of swap the Archmage, a legendary DEFE of Vehumet (Zig:27)
  The ghost of swap the Archmage, a legendary DEFE of Vehumet (Zig:27)
  The ghost of swap the Archmage, a legendary DEFE of Vehumet (Zig:27)
  The ghost of swap the Archmage, a legendary DEFE of Vehumet (Zig:20)
  The ghost of swap the Archmage, a legendary DEFE of Vehumet (Zig:22)
  The ghost of swap the Archmage, a legendary DEFE of Vehumet (Zig:20)
  The ghost of swap the Archmage, a legendary DEFE of Vehumet (Zig:20)
  The ghost of swap the Archmage, a legendary DEFE of Vehumet (Zig:22)
  The ghost of swap the Archmage, a legendary DEFE of Vehumet (Zig:27)
  The ghost of Marixus the Axe Maniac, a legendary DDFi of Cheibriados (Zig:27)
  The ghost of Marixus the Axe Maniac, a legendary DDFi of Cheibriados (Zig:27)
  The ghost of Marixus the Axe Maniac, a legendary DDFi of Cheibriados (Zig:20)
  The ghost of Marixus the Axe Maniac, a legendary DDFi of Cheibriados (Zig:22)
  The ghost of Marixus the Axe Maniac, a legendary DDFi of Cheibriados (Zig:20)
  The ghost of Marixus the Axe Maniac, a legendary DDFi of Cheibriados (Zig:22)
  The ghost of Marixus the Axe Maniac, a legendary DDFi of Cheibriados (Zig:18)
  The ghost of Marixus the Axe Maniac, a legendary DDFi of Cheibriados (Zig:27)
  The ghost of Manman the Conqueror, a legendary HOGl of Makhleb (Zig:27)
  The ghost of Manman the Conqueror, a legendary HOGl of Makhleb (Zig:18)
  The ghost of Manman the Conqueror, a legendary HOGl of Makhleb (Zig:22)
  The ghost of Manman the Conqueror, a legendary HOGl of Makhleb (Zig:22)
  The ghost of Manman the Conqueror, a legendary HOGl of Makhleb (Zig:20)
  The ghost of Manman the Conqueror, a legendary HOGl of Makhleb (Zig:22)
  The ghost of Manman the Conqueror, a legendary HOGl of Makhleb (Zig:22)
  The ghost of Manman the Conqueror, a legendary HOGl of Makhleb (Zig:27)
  The ghost of Manman the Conqueror, a legendary HOGl of Makhleb (Zig:27)
  The ghost of Manman the Conqueror, a legendary HOGl of Makhleb (Zig:22)
  The ghost of Manman the Conqueror, a legendary HOGl of Makhleb (Zig:22)
  The ghost of Manman the Conqueror, a legendary HOGl of Makhleb (Zig:22)
  The ghost of Kucykkydd the Axe Maniac, a legendary MiFi of Gozag (Zig:20)
  The ghost of Kucykkydd the Axe Maniac, a legendary MiFi of Gozag (Zig:27)
  The ghost of Kucykkydd the Axe Maniac, a legendary MiFi of Gozag (Zig:20)
  The ghost of Kucykkydd the Axe Maniac, a legendary MiFi of Gozag (Zig:16)
  The ghost of Kucykkydd the Axe Maniac, a legendary MiFi of Gozag (Zig:20)
  The ghost of Kucykkydd the Axe Maniac, a legendary MiFi of Gozag (Zig:22)
  The ghost of Kucykkydd the Axe Maniac, a legendary MiFi of Gozag (Zig:22)
  The ghost of Kucykkydd the Axe Maniac, a legendary MiFi of Gozag (Zig:18)
  The ghost of BerryKnight the Divine Blade, a legendary DgFi (Zig:22)
  The ghost of BerryKnight the Divine Blade, a legendary DgFi (Zig:9)
  The ghost of BerryKnight the Divine Blade, a legendary DgFi (Zig:20)
  The ghost of BerryKnight the Divine Blade, a legendary DgFi (Zig:27)
  The ghost of BerryKnight the Divine Blade, a legendary DgFi (Zig:27)
  The ghost of BerryKnight the Divine Blade, a legendary DgFi (Zig:27)
  The ghost of BerryKnight the Divine Blade, a legendary DgFi (Zig:20)
  The ghost of BerryKnight the Divine Blade, a legendary DgFi (Zig:20)
  The ghost of BerryKnight the Divine Blade, a legendary DgFi (Zig:18)
  The ghost of BerryKnight the Divine Blade, a legendary DgFi (Zig:20)
  The ghost of BerryKnight the Divine Blade, a legendary DgFi (Zig:20)
  The ghost of ragingrage the Ruinous, a legendary OpFE of Vehumet (Zig:22)
  The ghost of ragingrage the Ruinous, a legendary OpFE of Vehumet (Zig:9)
  The ghost of ragingrage the Ruinous, a legendary OpFE of Vehumet (Zig:9)
  The ghost of ragingrage the Ruinous, a legendary OpFE of Vehumet (Zig:16)
  The ghost of ragingrage the Ruinous, a legendary OpFE of Vehumet (Zig:27)
  The ghost of ragingrage the Ruinous, a legendary OpFE of Vehumet (Zig:18)
  The ghost of ragingrage the Ruinous, a legendary OpFE of Vehumet (Zig:22)
  The ghost of ragingrage the Ruinous, a legendary OpFE of Vehumet (Zig:22)
  The ghost of ragingrage the Ruinous, a legendary OpFE of Vehumet (Zig:8)
  The ghost of ragingrage the Ruinous, a legendary OpFE of Vehumet (Zig:20)
  The ghost of ragingrage the Ruinous, a legendary OpFE of Vehumet (Zig:22)
  The ghost of Rueful the Heavyweight Champion, a legendary TrWr of Qazlal (Zig:27)
  The ghost of Rueful the Heavyweight Champion, a legendary TrWr of Qazlal (Zig:22)
  The ghost of Rueful the Heavyweight Champion, a legendary TrWr of Qazlal (Zig:22)
  The ghost of Rueful the Heavyweight Champion, a legendary TrWr of Qazlal (Zig:20)
  The ghost of Rueful the Heavyweight Champion, a legendary TrWr of Qazlal (Zig:27)
  The ghost of Rueful the Heavyweight Champion, a legendary TrWr of Qazlal (Zig:16)
  The ghost of Rueful the Heavyweight Champion, a legendary TrWr of Qazlal (Zig:27)
  The ghost of Rueful the Heavyweight Champion, a legendary TrWr of Qazlal (Zig:27)
  The ghost of Rueful the Heavyweight Champion, a legendary TrWr of Qazlal (Zig:20)
  The ghost of Rueful the Heavyweight Champion, a legendary TrWr of Qazlal (Zig:20)
  The ghost of Ekeiwkem the Impregnable, a legendary DsFi of Makhleb (Zig:27)
  The ghost of Ekeiwkem the Impregnable, a legendary DsFi of Makhleb (Zig:20)
  The ghost of Ekeiwkem the Impregnable, a legendary DsFi of Makhleb (Zig:22)
  The ghost of Ekeiwkem the Impregnable, a legendary DsFi of Makhleb (Zig:27)
  The ghost of Ekeiwkem the Impregnable, a legendary DsFi of Makhleb (Zig:22)
  The ghost of Ekeiwkem the Impregnable, a legendary DsFi of Makhleb (Zig:22)
  The ghost of Ekeiwkem the Impregnable, a legendary DsFi of Makhleb (Zig:20)
  The ghost of Ekeiwkem the Impregnable, a legendary DsFi of Makhleb (Zig:22)
  The ghost of Ekeiwkem the Impregnable, a legendary DsFi of Makhleb (Zig:27)
  The ghost of sasquatch the Petrodigitator, a legendary GrEE of Vehumet (Zig:18)
  The ghost of shadowrider38 the Cryomancer, a legendary DsCA of Gozag (Zig:18)
  The ghost of Boduf the Metallomancer, a legendary FoHu of Cheibriados (Zig:27)
  The ghost of Boduf the Metallomancer, a legendary FoHu of Cheibriados (Zig:20)
  The ghost of Boduf the Metallomancer, a legendary FoHu of Cheibriados (Zig:22)
  The ghost of Boduf the Metallomancer, a legendary FoHu of Cheibriados (Zig:27)
  The ghost of Boduf the Metallomancer, a legendary FoHu of Cheibriados (Zig:27)
  The ghost of Boduf the Metallomancer, a legendary FoHu of Cheibriados (Zig:20)
  The ghost of Boduf the Metallomancer, a legendary FoHu of Cheibriados (Zig:16)
  The ghost of Boduf the Metallomancer, a legendary FoHu of Cheibriados (Zig:22)
  The ghost of Boduf the Metallomancer, a legendary FoHu of Cheibriados (Zig:22)
  The ghost of Boduf the Metallomancer, a legendary FoHu of Cheibriados (Zig:20)
  The ghost of Boduf the Metallomancer, a legendary FoHu of Cheibriados (Zig:22)
  The ghost of Boduf the Metallomancer, a legendary FoHu of Cheibriados (Zig:20)
  The ghost of Boduf the Metallomancer, a legendary FoHu of Cheibriados (Zig:20)
  The ghost of scarywalker64 the Sorcerer, a veteran BaSu of Sif Muna (Zig:27)
  The ghost of scarywalker64 the Sorcerer, a veteran BaSu of Sif Muna (Zig:27)
  The ghost of scarywalker64 the Sorcerer, a veteran BaSu of Sif Muna (Zig:27)
  The ghost of scarywalker64 the Sorcerer, a veteran BaSu of Sif Muna (Zig:27)
  The ghost of scarywalker64 the Sorcerer, a veteran BaSu of Sif Muna (Zig:22)
  The ghost of scarywalker64 the Sorcerer, a veteran BaSu of Sif Muna (Zig:27)
  The ghost of scarywalker64 the Sorcerer, a veteran BaSu of Sif Muna (Zig:20)
  The ghost of scarywalker64 the Sorcerer, a veteran BaSu of Sif Muna (Zig:20)
  The ghost of Valagong the Conqueror, a legendary DsCj of Gozag (Zig:16)
  The ghost of Hacvoq the Conqueror, a legendary HOFi of Zin (Zig:20)
  The ghost of deprived the Acolyte, a legendary HOFi of the Shining One (Zig:27)
  The ghost of sleeves the Acolyte, a legendary HuSk of the Shining One (Zig:27)
  The ghost of reasonance the Anchorite, a legendary HOMo of Zin (Zig:20)
  The ghost of deprived the Acolyte, a legendary HOFi of the Shining One (Zig:14)
  The ghost of sleeves the Acolyte, a legendary HuSk of the Shining One (Zig:27)
  The ghost of melllvar the Conqueror, a legendary MiBe of the Shining One (Zig:20)
  The ghost of reasonance the Anchorite, a legendary HOMo of Zin (Zig:27)
  The ghost of reasonance the Anchorite, a legendary HOMo of Zin (Zig:20)
  The ghost of reasonance the Anchorite, a legendary HOMo of Zin (Zig:27)
  The ghost of melllvar the Conqueror, a legendary MiBe of the Shining One (Zig:20)
  The ghost of GlasyaLabolas the Conqueror, a legendary MiFi of Dithmenos (Zig:27)
  The ghost of melllvar the Conqueror, a legendary MiBe of the Shining One (Zig:20)
  The ghost of Dittersdorf the Conqueror, a legendary MiBe of Trog (Zig:9)
  The ghost of sleeves the Acolyte, a legendary HuSk of the Shining One (Zig:27)
  The ghost of deprived the Acolyte, a legendary HOFi of the Shining One (Zig:20)
  The ghost of deprived the Acolyte, a legendary HOFi of the Shining One (Zig:16)
  The ghost of GlasyaLabolas the Conqueror, a legendary MiFi of Dithmenos (Zig:16)
  The ghost of sleeves the Acolyte, a legendary HuSk of the Shining One (Zig:16)
  The ghost of Hacvoq the Conqueror, a legendary HOFi of Zin (Zig:27)
  The ghost of Dittersdorf the Conqueror, a legendary MiBe of Trog (Zig:20)
  The ghost of Dittersdorf the Conqueror, a legendary MiBe of Trog (Zig:20)
  The ghost of GlasyaLabolas the Conqueror, a legendary MiFi of Dithmenos (Zig:16)
  The ghost of deprived the Acolyte, a legendary HOFi of the Shining One (Zig:20)
  The ghost of sleeves the Acolyte, a legendary HuSk of the Shining One (Zig:20)
  The ghost of melllvar the Conqueror, a legendary MiBe of the Shining One (Zig:16)
  The ghost of Hacvoq the Conqueror, a legendary HOFi of Zin (Zig:20)
  The ghost of deprived the Acolyte, a legendary HOFi of the Shining One (Zig:27)
  The ghost of GlasyaLabolas the Conqueror, a legendary MiFi of Dithmenos (Zig:18)
  The ghost of melllvar the Conqueror, a legendary MiBe of the Shining One (Zig:20)
  The ghost of sleeves the Acolyte, a legendary HuSk of the Shining One (Zig:18)
  The ghost of deprived the Acolyte, a legendary HOFi of the Shining One (Zig:20)
  The ghost of reasonance the Anchorite, a legendary HOMo of Zin (Zig:18)
  The ghost of GlasyaLabolas the Conqueror, a legendary MiFi of Dithmenos (Zig:22)
  The ghost of melllvar the Conqueror, a legendary MiBe of the Shining One (Zig:27)
  The ghost of sleeves the Acolyte, a legendary HuSk of the Shining One (Zig:22)
  The ghost of deprived the Acolyte, a legendary HOFi of the Shining One (Zig:27)
  The ghost of Hacvoq the Conqueror, a legendary HOFi of Zin (Zig:27)
  The ghost of Dittersdorf the Conqueror, a legendary MiBe of Trog (Zig:22)
  The ghost of GlasyaLabolas the Conqueror, a legendary MiFi of Dithmenos (Zig:22)
  The ghost of GlasyaLabolas the Conqueror, a legendary MiFi of Dithmenos (Zig:22)
  The ghost of deprived the Acolyte, a legendary HOFi of the Shining One (Zig:27)
  The ghost of reasonance the Anchorite, a legendary HOMo of Zin (Zig:27)
  The ghost of melllvar the Conqueror, a legendary MiBe of the Shining One (Zig:20)
  The ghost of GlasyaLabolas the Conqueror, a legendary MiFi of Dithmenos (Zig:27)
  The ghost of Hacvoq the Conqueror, a legendary HOFi of Zin (Zig:27)
  The ghost of Hacvoq the Conqueror, a legendary HOFi of Zin (Zig:27)
  The ghost of sleeves the Acolyte, a legendary HuSk of the Shining One (Zig:27)
  The ghost of GlasyaLabolas the Conqueror, a legendary MiFi of Dithmenos (Zig:27)
  The ghost of reasonance the Anchorite, a legendary HOMo of Zin (Zig:27)
  The ghost of melllvar the Conqueror, a legendary MiBe of the Shining One (Zig:27)
  The ghost of GlasyaLabolas the Conqueror, a legendary MiFi of Dithmenos (Zig:22)
  The ghost of reasonance the Anchorite, a legendary HOMo of Zin (Zig:27)
  The ghost of melllvar the Conqueror, a legendary MiBe of the Shining One (Zig:27)
  The ghost of deprived the Acolyte, a legendary HOFi of the Shining One (Zig:27)
  The ghost of GlasyaLabolas the Conqueror, a legendary MiFi of Dithmenos (Zig:22)
  The ghost of reasonance the Anchorite, a legendary HOMo of Zin (Zig:27)
  The ghost of GlasyaLabolas the Conqueror, a legendary MiFi of Dithmenos (Zig:22)
  The ghost of Dittersdorf the Conqueror, a legendary MiBe of Trog (Zig:22)
  The ghost of reasonance the Anchorite, a legendary HOMo of Zin (Zig:27)
  The ghost of GlasyaLabolas the Conqueror, a legendary MiFi of Dithmenos (Zig:20)
  The ghost of melllvar the Conqueror, a legendary MiBe of the Shining One (Zig:20)
  The ghost of Hacvoq the Conqueror, a legendary HOFi of Zin (Zig:22)
  The ghost of Dittersdorf the Conqueror, a legendary MiBe of Trog (Zig:9)
  The ghost of deprived the Acolyte, a legendary HOFi of the Shining One (Zig:22)
  The ghost of reasonance the Anchorite, a legendary HOMo of Zin (Zig:27)
  The ghost of deprived the Acolyte, a legendary HOFi of the Shining One (Zig:22)
  The ghost of melllvar the Conqueror, a legendary MiBe of the Shining One (Zig:22)
  The ghost of reasonance the Anchorite, a legendary HOMo of Zin (Zig:22)
  The ghost of Dittersdorf the Conqueror, a legendary MiBe of Trog (Zig:22)
  The ghost of deprived the Acolyte, a legendary HOFi of the Shining One (Zig:27)
  The ghost of Dittersdorf the Conqueror, a legendary MiBe of Trog (Zig:22)
  The ghost of GlasyaLabolas the Conqueror, a legendary MiFi of Dithmenos (Zig:9)
  The ghost of reasonance the Anchorite, a legendary HOMo of Zin (Zig:22)
  The ghost of GlasyaLabolas the Conqueror, a legendary MiFi of Dithmenos (Zig:27)
  The ghost of melllvar the Conqueror, a legendary MiBe of the Shining One (Zig:27)
  The ghost of deprived the Acolyte, a legendary HOFi of the Shining One (Zig:22)
  The ghost of GlasyaLabolas the Conqueror, a legendary MiFi of Dithmenos (Zig:27)
  The ghost of sleeves the Acolyte, a legendary HuSk of the Shining One (Zig:22)
  The ghost of corvin the Slayer, a legendary OgWn of Dithmenos (Zig:27)
  The ghost of corvin the Slayer, a legendary OgWn of Dithmenos (Zig:27)
  The ghost of corvin the Slayer, a legendary OgWn of Dithmenos (Zig:27)
  The ghost of corvin the Slayer, a legendary OgWn of Dithmenos (Zig:27)
  The ghost of corvin the Slayer, a legendary OgWn of Dithmenos (Zig:27)
  The ghost of corvin the Slayer, a legendary OgWn of Dithmenos (Zig:27)
  The ghost of corvin the Slayer, a legendary OgWn of Dithmenos (Zig:22)
  The ghost of corvin the Slayer, a legendary OgWn of Dithmenos (Zig:27)
  The ghost of corvin the Slayer, a legendary OgWn of Dithmenos (Zig:22)
  The ghost of corvin the Slayer, a legendary OgWn of Dithmenos (Zig:20)
  The ghost of corvin the Slayer, a legendary OgWn of Dithmenos (Zig:22)
  The ghost of corvin the Slayer, a legendary OgWn of Dithmenos (Zig:27)
  The ghost of corvin the Slayer, a legendary OgWn of Dithmenos (Zig:20)
  The ghost of corvin the Slayer, a legendary OgWn of Dithmenos (Zig:18)
  The ghost of corvin the Slayer, a legendary OgWn of Dithmenos (Zig:9)
  The ghost of corvin the Slayer, a legendary OgWn of Dithmenos (Zig:8)
  The ghost of corvin the Slayer, a legendary OgWn of Dithmenos (Zig:16)
  The ghost of corvin the Slayer, a legendary OgWn of Dithmenos (Zig:9)
  The ghost of corvin the Slayer, a legendary OgWn of Dithmenos (Zig:22)
  The ghost of corvin the Slayer, a legendary OgWn of Dithmenos (Zig:9)
  The ghost of Xorhowon the Invulnerable, a legendary MiBe of Trog (Zig:22)
  The ghost of Xorhowon the Invulnerable, a legendary MiBe of Trog (Zig:27)
  The ghost of Xorhowon the Invulnerable, a legendary MiBe of Trog (Zig:20)
  The ghost of Xorhowon the Invulnerable, a legendary MiBe of Trog (Zig:27)
  The ghost of Xorhowon the Invulnerable, a legendary MiBe of Trog (Zig:20)
  The ghost of Xorhowon the Invulnerable, a legendary MiBe of Trog (Zig:22)
  The ghost of Xorhowon the Invulnerable, a legendary MiBe of Trog (Zig:20)
  The ghost of Xorhowon the Invulnerable, a legendary MiBe of Trog (Zig:27)
  The ghost of Xorhowon the Invulnerable, a legendary MiBe of Trog (Zig:9)
  The ghost of Xorhowon the Invulnerable, a legendary MiBe of Trog (Zig:27)
  The ghost of Xorhowon the Invulnerable, a legendary MiBe of Trog (Zig:9)
  The ghost of Fouwomub the Sorcerer, a legendary FoEE of Vehumet (Zig:22)
  The ghost of Fouwomub the Sorcerer, a legendary FoEE of Vehumet (Zig:20)
  The ghost of Fouwomub the Sorcerer, a legendary FoEE of Vehumet (Zig:27)
  The ghost of Fouwomub the Sorcerer, a legendary FoEE of Vehumet (Zig:27)
  The ghost of Fouwomub the Sorcerer, a legendary FoEE of Vehumet (Zig:20)
  The ghost of Fouwomub the Sorcerer, a legendary FoEE of Vehumet (Zig:20)
  The ghost of Sext the Conqueror, a legendary MiFi of the Shining One (Zig:20)
  The ghost of Sext the Conqueror, a legendary MiFi of the Shining One (Zig:20)
  The ghost of Sext the Conqueror, a legendary MiFi of the Shining One (Zig:22)
  The ghost of Sext the Conqueror, a legendary MiFi of the Shining One (Zig:20)
  The ghost of Sext the Conqueror, a legendary MiFi of the Shining One (Zig:27)
  The ghost of Sext the Conqueror, a legendary MiFi of the Shining One (Zig:27)
  The ghost of Sext the Conqueror, a legendary MiFi of the Shining One (Zig:27)
  The ghost of Sext the Conqueror, a legendary MiFi of the Shining One (Zig:27)
  The ghost of Sext the Conqueror, a legendary MiFi of the Shining One (Zig:27)
  The ghost of Sext the Conqueror, a legendary MiFi of the Shining One (Zig:22)
  The ghost of Sext the Conqueror, a legendary MiFi of the Shining One (Zig:27)
  The ghost of Sext the Conqueror, a legendary MiFi of the Shining One (Zig:27)
  The ghost of Zonian the Slayer, a legendary HOFi of Beogh (Zig:27)
  The ghost of Zonian the Slayer, a legendary HOFi of Beogh (Zig:22)
  The ghost of Zonian the Slayer, a legendary HOFi of Beogh (Zig:22)
  The ghost of Zonian the Slayer, a legendary HOFi of Beogh (Zig:20)
  The ghost of Zonian the Slayer, a legendary HOFi of Beogh (Zig:16)
  The ghost of Zonian the Slayer, a legendary HOFi of Beogh (Zig:16)
  The ghost of Zonian the Slayer, a legendary HOFi of Beogh (Zig:22)
  The ghost of Zonian the Slayer, a legendary HOFi of Beogh (Zig:16)
  The ghost of Zonian the Slayer, a legendary HOFi of Beogh (Zig:22)
  The ghost of Zonian the Slayer, a legendary HOFi of Beogh (Zig:22)
  The ghost of Zonian the Slayer, a legendary HOFi of Beogh (Zig:27)
  The ghost of Zonian the Slayer, a legendary HOFi of Beogh (Zig:27)
  The ghost of Zonian the Slayer, a legendary HOFi of Beogh (Zig:27)
  The ghost of Xatwola the Axe Maniac, a legendary DDFi of Makhleb (Zig:27)
  The ghost of Xatwola the Axe Maniac, a legendary DDFi of Makhleb (Zig:27)
  The ghost of Ucrups the Swordmaster, a legendary MiFi of the Shining One (Zig:27)
  The ghost of Ucrups the Swordmaster, a legendary MiFi of the Shining One (Zig:22)
  The ghost of Xatwola the Axe Maniac, a legendary DDFi of Makhleb (Zig:20)
  The ghost of Ucrups the Swordmaster, a legendary MiFi of the Shining One (Zig:22)
  The ghost of Ucrups the Swordmaster, a legendary MiFi of the Shining One (Zig:27)
  The ghost of Xatwola the Axe Maniac, a legendary DDFi of Makhleb (Zig:22)
  The ghost of Xatwola the Axe Maniac, a legendary DDFi of Makhleb (Zig:20)
  The ghost of Ucrups the Swordmaster, a legendary MiFi of the Shining One (Zig:20)
  The ghost of Ucrups the Swordmaster, a legendary MiFi of the Shining One (Zig:22)
  The ghost of Xatwola the Axe Maniac, a legendary DDFi of Makhleb (Zig:20)
  The ghost of Ucrups the Swordmaster, a legendary MiFi of the Shining One (Zig:16)
  The ghost of Ucrups the Swordmaster, a legendary MiFi of the Shining One (Zig:16)
  The ghost of Xatwola the Axe Maniac, a legendary DDFi of Makhleb (Zig:20)
  The ghost of Xatwola the Axe Maniac, a legendary DDFi of Makhleb (Zig:22)
  The ghost of Xatwola the Axe Maniac, a legendary DDFi of Makhleb (Zig:27)
  The ghost of Fusentrap the Slayer, a legendary MiBe of Makhleb (Zig:22)
  The ghost of Veodywke the Conqueror, a legendary MiBe of the Shining One (Zig:16)
  The ghost of Veodywke the Conqueror, a legendary MiBe of the Shining One (Zig:14)
  The ghost of Veodywke the Conqueror, a legendary MiBe of the Shining One (Zig:27)
  The ghost of Veodywke the Conqueror, a legendary MiBe of the Shining One (Zig:22)
  The ghost of Fusentrap the Slayer, a legendary MiBe of Makhleb (Zig:20)
  The ghost of Fusentrap the Slayer, a legendary MiBe of Makhleb (Zig:20)
  The ghost of Veodywke the Conqueror, a legendary MiBe of the Shining One (Zig:27)
  The ghost of Veodywke the Conqueror, a legendary MiBe of the Shining One (Zig:27)
  The ghost of Veodywke the Conqueror, a legendary MiBe of the Shining One (Zig:20)
  The ghost of Fusentrap the Slayer, a legendary MiBe of Makhleb (Zig:20)
  The ghost of Fusentrap the Slayer, a legendary MiBe of Makhleb (Zig:27)
  The ghost of Veodywke the Conqueror, a legendary MiBe of the Shining One (Zig:20)
  The ghost of Veodywke the Conqueror, a legendary MiBe of the Shining One (Zig:18)
  The ghost of Veodywke the Conqueror, a legendary MiBe of the Shining One (Zig:27)
  The ghost of Fusentrap the Slayer, a legendary MiBe of Makhleb (Zig:27)
  The ghost of Fusentrap the Slayer, a legendary MiBe of Makhleb (Zig:27)
  The ghost of Veodywke the Conqueror, a legendary MiBe of the Shining One (Zig:27)
  The ghost of Veodywke the Conqueror, a legendary MiBe of the Shining One (Zig:27)
  The ghost of Veodywke the Conqueror, a legendary MiBe of the Shining One (Zig:27)
  The ghost of Veodywke the Conqueror, a legendary MiBe of the Shining One (Zig:20)
  The ghost of Fusentrap the Slayer, a legendary MiBe of Makhleb (Zig:22)
  The ghost of Loveship the Invulnerable, a legendary MiFi of the Shining One (Zig:18)
  The ghost of sleeves the Metallomancer, a legendary HuEE of Vehumet (Zig:16)
  The ghost of sleeves the Metallomancer, a legendary HuEE of Vehumet (Zig:20)
  The ghost of sleeves the Metallomancer, a legendary HuEE of Vehumet (Zig:27)
  The ghost of Shayle the Sluggish Gnoll, a legendary GnHW of Cheibriados (Zig:22)
  The ghost of Shayle the Sluggish Gnoll, a legendary GnHW of Cheibriados (Zig:16)
  The ghost of Shayle the Sluggish Gnoll, a legendary GnHW of Cheibriados (Zig:22)
  The ghost of Shayle the Sluggish Gnoll, a legendary GnHW of Cheibriados (Zig:22)
  The ghost of Shayle the Sluggish Gnoll, a legendary GnHW of Cheibriados (Zig:20)
  The ghost of sleeves the Metallomancer, a legendary HuEE of Vehumet (Zig:27)
  The ghost of Shayle the Sluggish Gnoll, a legendary GnHW of Cheibriados (Zig:27)
  The ghost of Shayle the Sluggish Gnoll, a legendary GnHW of Cheibriados (Zig:20)
  The ghost of sleeves the Metallomancer, a legendary HuEE of Vehumet (Zig:20)
  The ghost of sleeves the Metallomancer, a legendary HuEE of Vehumet (Zig:27)
  The ghost of sleeves the Metallomancer, a legendary HuEE of Vehumet (Zig:27)
  The ghost of Shayle the Sluggish Gnoll, a legendary GnHW of Cheibriados (Zig:22)
  The ghost of Shayle the Sluggish Gnoll, a legendary GnHW of Cheibriados (Zig:22)
  The ghost of Hewasun the Conqueror, a legendary MiBe of the Shining One (Zig:20)
  The ghost of Hewasun the Conqueror, a legendary MiBe of the Shining One (Zig:27)
  The ghost of Hewasun the Conqueror, a legendary MiBe of the Shining One (Zig:20)
  The ghost of Hewasun the Conqueror, a legendary MiBe of the Shining One (Zig:20)
  The ghost of Hewasun the Conqueror, a legendary MiBe of the Shining One (Zig:22)
  The ghost of Hewasun the Conqueror, a legendary MiBe of the Shining One (Zig:22)
  The ghost of Hewasun the Conqueror, a legendary MiBe of the Shining One (Zig:27)
  The ghost of Hewasun the Conqueror, a legendary MiBe of the Shining One (Zig:27)
  The ghost of Hewasun the Conqueror, a legendary MiBe of the Shining One (Zig:20)
  The ghost of Hewasun the Conqueror, a legendary MiBe of the Shining One (Zig:20)
  The ghost of Hewasun the Conqueror, a legendary MiBe of the Shining One (Zig:20)
  The ghost of Hewasun the Conqueror, a legendary MiBe of the Shining One (Zig:27)
  The ghost of Hewasun the Conqueror, a legendary MiBe of the Shining One (Zig:27)
  The ghost of agentgt the Executioner, a legendary MiCK of Xom (Zig:22)
  The ghost of agentgt the Executioner, a legendary MiCK of Xom (Zig:22)
  The ghost of agentgt the Executioner, a legendary MiCK of Xom (Zig:16)
  The ghost of agentgt the Executioner, a legendary MiCK of Xom (Zig:20)
  The ghost of agentgt the Executioner, a legendary MiCK of Xom (Zig:20)
  The ghost of agentgt the Executioner, a legendary MiCK of Xom (Zig:8)
  The ghost of agentgt the Executioner, a legendary MiCK of Xom (Zig:20)
  The ghost of agentgt the Executioner, a legendary MiCK of Xom (Zig:27)
  The ghost of agentgt the Executioner, a legendary MiCK of Xom (Zig:20)
  The ghost of agentgt the Executioner, a legendary MiCK of Xom (Zig:27)
  The ghost of agentgt the Executioner, a legendary MiCK of Xom (Zig:9)
  The ghost of agentgt the Executioner, a legendary MiCK of Xom (Zig:27)
  The ghost of strangelove the Metallomancer, a master GrEE of Vehumet (Zig:27)
  The ghost of strangelove the Metallomancer, a master GrEE of Vehumet (Zig:27)
  The ghost of strangelove the Metallomancer, a master GrEE of Vehumet (Zig:20)
  The ghost of strangelove the Metallomancer, a master GrEE of Vehumet (Zig:20)
  The ghost of strangelove the Metallomancer, a master GrEE of Vehumet (Zig:22)
  The ghost of strangelove the Metallomancer, a master GrEE of Vehumet (Zig:27)
  The ghost of Lobster4 the Earth Mage, a veteran HuWn of Vehumet (Depths:1)
  The ghost of thechecker02 the Slayer, a master DDFi of Makhleb (Zig:27)
  The ghost of thechecker02 the Slayer, a master DDFi of Makhleb (Zig:27)
  The ghost of thechecker02 the Slayer, a master DDFi of Makhleb (Zig:27)
  The ghost of thechecker02 the Slayer, a master DDFi of Makhleb (Zig:20)
  The ghost of thechecker02 the Slayer, a master DDFi of Makhleb (Zig:27)
  The ghost of thechecker02 the Slayer, a master DDFi of Makhleb (Zig:20)
  The ghost of thechecker02 the Slayer, a master DDFi of Makhleb (Zig:22)
  The ghost of thechecker02 the Slayer, a master DDFi of Makhleb (Zig:14)
  The ghost of thechecker02 the Slayer, a master DDFi of Makhleb (Zig:27)
  The ghost of thechecker02 the Slayer, a master DDFi of Makhleb (Zig:27)
  The ghost of thechecker02 the Slayer, a master DDFi of Makhleb (Zig:9)
  The ghost of thechecker02 the Slayer, a master DDFi of Makhleb (Zig:22)
  The ghost of thechecker02 the Slayer, a master DDFi of Makhleb (Zig:16)
  The ghost of thechecker02 the Slayer, a master DDFi of Makhleb (Zig:27)
  The ghost of thechecker02 the Slayer, a master DDFi of Makhleb (Zig:27)
  Mennas (Vaults:4)
  The ghost of Likado the Gnoll Barricade, a legendary GnSk of the Shining One (Zig:20)
  The ghost of Likado the Gnoll Barricade, a legendary GnSk of the Shining One (Zig:27)
  The ghost of Likado the Gnoll Barricade, a legendary GnSk of the Shining One (Zig:27)
  The ghost of Likado the Gnoll Barricade, a legendary GnSk of the Shining One (Zig:18)
  The ghost of Likado the Gnoll Barricade, a legendary GnSk of the Shining One (Zig:27)
  The ghost of Likado the Gnoll Barricade, a legendary GnSk of the Shining One (Zig:27)
  The ghost of Likado the Gnoll Barricade, a legendary GnSk of the Shining One (Zig:20)
  The ghost of Likado the Gnoll Barricade, a legendary GnSk of the Shining One (Zig:16)
  The ghost of Likado the Gnoll Barricade, a legendary GnSk of the Shining One (Zig:20)
  The ghost of Likado the Gnoll Barricade, a legendary GnSk of the Shining One (Zig:27)
  The ghost of Likado the Gnoll Barricade, a legendary GnSk of the Shining One (Zig:27)
  The ghost of Likado the Gnoll Barricade, a legendary GnSk of the Shining One (Zig:20)
  The ghost of Likado the Gnoll Barricade, a legendary GnSk of the Shining One (Zig:27)
  The ghost of Likado the Gnoll Barricade, a legendary GnSk of the Shining One (Zig:22)
  The ghost of Likado the Gnoll Barricade, a legendary GnSk of the Shining One (Zig:20)
  The ghost of Likado the Gnoll Barricade, a legendary GnSk of the Shining One (Zig:9)
  The ghost of Jeklifit the Conqueror, a legendary FoFi of the Shining One (Zig:9)
  The ghost of Jeklifit the Conqueror, a legendary FoFi of the Shining One (Zig:20)
  The ghost of Jeklifit the Conqueror, a legendary FoFi of the Shining One (Zig:22)
  The ghost of Whoops the Formicid Barricade, a legendary FoFi of Okawaru (Zig:16)
  The ghost of Jeklifit the Conqueror, a legendary FoFi of the Shining One (Zig:20)
  The ghost of Giojuova the Slayer, a legendary GnBe of Trog (Zig:27)
  The ghost of Giojuova the Slayer, a legendary GnBe of Trog (Zig:20)
  The ghost of Giojuova the Slayer, a legendary GnBe of Trog (Zig:9)
  The ghost of Giojuova the Slayer, a legendary GnBe of Trog (Zig:27)
  The ghost of Giojuova the Slayer, a legendary GnBe of Trog (Zig:9)
  The ghost of Giojuova the Slayer, a legendary GnBe of Trog (Zig:27)
  The ghost of Giojuova the Slayer, a legendary GnBe of Trog (Zig:22)
  The ghost of Jargh the Formicid Barricade, a legendary FoFi of the Shining One (Zig:22)
  The ghost of Jargh the Formicid Barricade, a legendary FoFi of the Shining One (Zig:8)
  The ghost of Jargh the Formicid Barricade, a legendary FoFi of the Shining One (Zig:27)
  The ghost of Jargh the Formicid Barricade, a legendary FoFi of the Shining One (Zig:18)
  The ghost of Jargh the Formicid Barricade, a legendary FoFi of the Shining One (Zig:20)
  The ghost of Jargh the Formicid Barricade, a legendary FoFi of the Shining One (Zig:20)
  The ghost of Jargh the Formicid Barricade, a legendary FoFi of the Shining One (Zig:27)
  The ghost of Jargh the Formicid Barricade, a legendary FoFi of the Shining One (Zig:27)
  The ghost of Jargh the Formicid Barricade, a legendary FoFi of the Shining One (Zig:22)
  The ghost of Jargh the Formicid Barricade, a legendary FoFi of the Shining One (Zig:22)
  The ghost of Jargh the Formicid Barricade, a legendary FoFi of the Shining One (Zig:27)
  The ghost of Jargh the Formicid Barricade, a legendary FoFi of the Shining One (Zig:9)
  The ghost of Qeilemp the Conqueror, a legendary HOFi of Beogh (Zig:9)
  The ghost of Totuz the Messenger, a legendary HOFi of Beogh (Zig:27)
  The ghost of Totuz the Messenger, a legendary HOFi of Beogh (Zig:16)
  The ghost of Qeilemp the Conqueror, a legendary HOFi of Beogh (Zig:27)
  The ghost of Totuz the Messenger, a legendary HOFi of Beogh (Zig:16)
  The ghost of Qeilemp the Conqueror, a legendary HOFi of Beogh (Zig:27)
  The ghost of Totuz the Messenger, a legendary HOFi of Beogh (Zig:27)
  The ghost of Totuz the Messenger, a legendary HOFi of Beogh (Zig:27)
  The ghost of Qeilemp the Conqueror, a legendary HOFi of Beogh (Zig:27)
  The ghost of Totuz the Messenger, a legendary HOFi of Beogh (Zig:27)
  The ghost of Qeilemp the Conqueror, a legendary HOFi of Beogh (Zig:27)
  The ghost of Qeilemp the Conqueror, a legendary HOFi of Beogh (Zig:9)
  The ghost of Totuz the Messenger, a legendary HOFi of Beogh (Zig:27)
  The ghost of Totuz the Messenger, a legendary HOFi of Beogh (Zig:9)
  The ghost of Totuz the Messenger, a legendary HOFi of Beogh (Zig:27)
  The ghost of Totuz the Messenger, a legendary HOFi of Beogh (Zig:27)
  The ghost of Qeilemp the Conqueror, a legendary HOFi of Beogh (Zig:20)
  The ghost of Totuz the Messenger, a legendary HOFi of Beogh (Zig:22)
  The ghost of Totuz the Messenger, a legendary HOFi of Beogh (Zig:20)
  The ghost of Totuz the Messenger, a legendary HOFi of Beogh (Zig:22)
  The ghost of Totuz the Messenger, a legendary HOFi of Beogh (Zig:22)
  The ghost of Totuz the Messenger, a legendary HOFi of Beogh (Zig:22)
  The ghost of Totuz the Messenger, a legendary HOFi of Beogh (Zig:22)
  The ghost of Qeilemp the Conqueror, a legendary HOFi of Beogh (Zig:22)
  The ghost of Totuz the Messenger, a legendary HOFi of Beogh (Zig:22)
  The ghost of Qeilemp the Conqueror, a legendary HOFi of Beogh (Zig:22)
  The ghost of Becvyf the Sluggish Gnoll, a legendary GnFi of Cheibriados (Zig:27)
  The ghost of Becvyf the Sluggish Gnoll, a legendary GnFi of Cheibriados (Zig:27)
  The ghost of Becvyf the Sluggish Gnoll, a legendary GnFi of Cheibriados (Zig:27)
  The ghost of Becvyf the Sluggish Gnoll, a legendary GnFi of Cheibriados (Zig:18)
  The ghost of Becvyf the Sluggish Gnoll, a legendary GnFi of Cheibriados (Zig:27)
  The ghost of Becvyf the Sluggish Gnoll, a legendary GnFi of Cheibriados (Zig:9)
  The ghost of Becvyf the Sluggish Gnoll, a legendary GnFi of Cheibriados (Zig:16)
  The ghost of Unuchuin the Marksgnoll, a legendary GnFi of the Shining One (Zig:20)
  The ghost of Fugi the Sniper, a legendary FoFi of Ashenzari (Zig:27)
  The ghost of Unuchuin the Marksgnoll, a legendary GnFi of the Shining One (Zig:22)
  The ghost of Zenecom the Conqueror, a legendary MiFi of Makhleb (Zig:22)
  The ghost of Unuchuin the Marksgnoll, a legendary GnFi of the Shining One (Zig:16)
  The ghost of Unuchuin the Marksgnoll, a legendary GnFi of the Shining One (Zig:14)
  The ghost of Zenecom the Conqueror, a legendary MiFi of Makhleb (Zig:27)
  The ghost of Unuchuin the Marksgnoll, a legendary GnFi of the Shining One (Zig:16)
  The ghost of Fugi the Sniper, a legendary FoFi of Ashenzari (Zig:16)
  The ghost of Unuchuin the Marksgnoll, a legendary GnFi of the Shining One (Zig:27)
  The ghost of Unuchuin the Marksgnoll, a legendary GnFi of the Shining One (Zig:20)
  The ghost of Unuchuin the Marksgnoll, a legendary GnFi of the Shining One (Zig:22)
  The ghost of Zenecom the Conqueror, a legendary MiFi of Makhleb (Zig:22)
  The ghost of Unuchuin the Marksgnoll, a legendary GnFi of the Shining One (Zig:27)
  The ghost of Zenecom the Conqueror, a legendary MiFi of Makhleb (Zig:20)
  The ghost of Zenecom the Conqueror, a legendary MiFi of Makhleb (Zig:27)
  The ghost of Zenecom the Conqueror, a legendary MiFi of Makhleb (Zig:20)
  The ghost of Unuchuin the Marksgnoll, a legendary GnFi of the Shining One (Zig:22)
  The ghost of Fugi the Sniper, a legendary FoFi of Ashenzari (Zig:22)
  The ghost of Fugi the Sniper, a legendary FoFi of Ashenzari (Zig:22)
  The ghost of Fugi the Sniper, a legendary FoFi of Ashenzari (Zig:27)
  The ghost of Unuchuin the Marksgnoll, a legendary GnFi of the Shining One (Zig:20)
  The ghost of Zenecom the Conqueror, a legendary MiFi of Makhleb (Zig:27)
  The ghost of Zenecom the Conqueror, a legendary MiFi of Makhleb (Zig:20)
  The ghost of Zenecom the Conqueror, a legendary MiFi of Makhleb (Zig:20)
  The ghost of Unuchuin the Marksgnoll, a legendary GnFi of the Shining One (Zig:27)
  The ghost of Zenecom the Conqueror, a legendary MiFi of Makhleb (Zig:27)
  The ghost of Zenecom the Conqueror, a legendary MiFi of Makhleb (Zig:27)
  The ghost of Zenecom the Conqueror, a legendary MiFi of Makhleb (Zig:27)
  The ghost of Zenecom the Conqueror, a legendary MiFi of Makhleb (Zig:22)
  The ghost of Fugi the Sniper, a legendary FoFi of Ashenzari (Zig:9)
  The ghost of Unuchuin the Marksgnoll, a legendary GnFi of the Shining One (Zig:27)
  The ghost of Fugi the Sniper, a legendary FoFi of Ashenzari (Zig:27)
  The ghost of Fugi the Sniper, a legendary FoFi of Ashenzari (Zig:27)
  The ghost of Zenecom the Conqueror, a legendary MiFi of Makhleb (Zig:27)
  The ghost of Unuchuin the Marksgnoll, a legendary GnFi of the Shining One (Zig:27)
  The ghost of grandjackal the Wallflower, a legendary DsGl of Uskayaw (Zig:18)
  The ghost of grandjackal the Rhythm of Life and Death, a legendary DsGl of Uskayaw (Zig:27)
  The ghost of grandjackal the Rhythm of Life and Death, a legendary DsGl of Uskayaw (Zig:16)
  The ghost of grandjackal the Rhythm of Life and Death, a legendary DsGl of Uskayaw (Zig:27)
  The ghost of grandjackal the Rhythm of Life and Death, a legendary DsGl of Uskayaw (Zig:27)
  The ghost of grandjackal the Rhythm of Life and Death, a legendary DsGl of Uskayaw (Zig:22)
  The ghost of grandjackal the Rhythm of Life and Death, a legendary DsGl of Uskayaw (Zig:27)
  The ghost of grandjackal the Rhythm of Life and Death, a legendary DsGl of Uskayaw (Zig:9)
  The ghost of grandjackal the Rhythm of Life and Death, a legendary DsGl of Uskayaw (Zig:27)
  The ghost of grandjackal the Wallflower, a legendary DsGl of Uskayaw (Zig:14)
  The ghost of grandjackal the Rhythm of Life and Death, a legendary DsGl of Uskayaw (Zig:16)
  The ghost of grandjackal the Rhythm of Life and Death, a legendary DsGl of Uskayaw (Zig:22)
  The ghost of grandjackal the Rhythm of Life and Death, a legendary DsGl of Uskayaw (Zig:27)
  The ghost of grandjackal the Rhythm of Life and Death, a legendary DsGl of Uskayaw (Zig:20)
  The ghost of grandjackal the Rhythm of Life and Death, a legendary DsGl of Uskayaw (Zig:22)
  The ghost of grandjackal the Rhythm of Life and Death, a legendary DsGl of Uskayaw (Zig:22)
  The ghost of runemage the Impregnable, a legendary GnFi of Gozag (Zig:22)
  The ghost of runemage the Impregnable, a legendary GnFi of Gozag (Zig:20)
  The ghost of runemage the Impregnable, a legendary GnFi of Gozag (Zig:20)
  The ghost of runemage the Impregnable, a legendary GnFi of Gozag (Zig:27)
  The ghost of runemage the Impregnable, a legendary GnFi of Gozag (Zig:27)
  The ghost of runemage the Impregnable, a legendary GnFi of Gozag (Zig:9)
  The ghost of runemage the Impregnable, a legendary GnFi of Gozag (Zig:27)
  The ghost of runemage the Impregnable, a legendary GnFi of Gozag (Zig:27)
  The ghost of runemage the Impregnable, a legendary GnFi of Gozag (Zig:20)
  The ghost of runemage the Impregnable, a legendary GnFi of Gozag (Zig:27)
  The ghost of runemage the Impregnable, a legendary GnFi of Gozag (Zig:27)
  The ghost of runemage the Impregnable, a legendary GnFi of Gozag (Zig:27)
  The ghost of runemage the Impregnable, a legendary GnFi of Gozag (Zig:20)
  1388 juggernauts
  The ghost of Denobboc the Imperceptible, a legendary OpMo of Jiyva (Zig:27)
  The ghost of Denobboc the Imperceptible, a legendary OpMo of Jiyva (Zig:27)
  The ghost of Denobboc the Imperceptible, a legendary OpMo of Jiyva (Zig:20)
  The ghost of Denobboc the Imperceptible, a legendary OpMo of Jiyva (Zig:22)
  The ghost of Denobboc the Imperceptible, a legendary OpMo of Jiyva (Zig:22)
  The ghost of Denobboc the Imperceptible, a legendary OpMo of Jiyva (Zig:27)
  The ghost of Denobboc the Imperceptible, a legendary OpMo of Jiyva (Zig:18)
  The ghost of Denobboc the Imperceptible, a legendary OpMo of Jiyva (Zig:9)
  The ghost of MrChinwatt the Slayer, a legendary DsWn of Qazlal (Zig:27)
  The ghost of MrChinwatt the Slayer, a legendary DsWn of Qazlal (Zig:18)
  The ghost of MrChinwatt the Slayer, a legendary DsWn of Qazlal (Zig:20)
  The ghost of MrChinwatt the Slayer, a legendary DsWn of Qazlal (Zig:9)
  The ghost of MrChinwatt the Slayer, a legendary DsWn of Qazlal (Zig:22)
  The ghost of MrChinwatt the Slayer, a legendary DsWn of Qazlal (Zig:27)
  The ghost of MrChinwatt the Slayer, a legendary DsWn of Qazlal (Zig:27)
  The ghost of MrChinwatt the Slayer, a legendary DsWn of Qazlal (Zig:27)
  The ghost of MrChinwatt the Slayer, a legendary DsWn of Qazlal (Zig:22)
  The ghost of MrChinwatt the Slayer, a legendary DsWn of Qazlal (Zig:9)
  The ghost of MrChinwatt the Slayer, a legendary DsWn of Qazlal (Zig:16)
  The ghost of sleeves the Demonic Mishap, a legendary DsFi of Qazlal (Zig:22)
  The ghost of sleeves the Demonic Mishap, a legendary DsFi of Qazlal (Zig:20)
  The ghost of sleeves the Demonic Mishap, a legendary DsFi of Qazlal (Zig:9)
  The ghost of sleeves the Demonic Mishap, a legendary DsFi of Qazlal (Zig:27)
  The ghost of sleeves the Demonic Mishap, a legendary DsFi of Qazlal (Zig:27)
  The ghost of sleeves the Demonic Mishap, a legendary DsFi of Qazlal (Zig:20)
  The ghost of sleeves the Demonic Mishap, a legendary DsFi of Qazlal (Zig:27)
  The ghost of sleeves the Demonic Mishap, a legendary DsFi of Qazlal (Zig:27)
  The ghost of sleeves the Demonic Mishap, a legendary DsFi of Qazlal (Zig:22)
  The ghost of sleeves the Demonic Mishap, a legendary DsFi of Qazlal (Zig:27)
  The ghost of sleeves the Demonic Mishap, a legendary DsFi of Qazlal (Zig:27)
  The ghost of sleeves the Demonic Mishap, a legendary DsFi of Qazlal (Zig:9)
  The ghost of sleeves the Demonic Mishap, a legendary DsFi of Qazlal (Zig:9)
  The ghost of sleeves the Demonic Mishap, a legendary DsFi of Qazlal (Zig:9)
  The ghost of sleeves the Demonic Mishap, a legendary DsFi of Qazlal (Zig:22)
  The ghost of sleeves the Demonic Mishap, a legendary DsFi of Qazlal (Zig:16)
  The ghost of Ecsetopt the Hawkeye, a legendary BaWn of Cheibriados (Zig:9)
  The ghost of Ecsetopt the Hawkeye, a legendary BaWn of Cheibriados (Zig:20)
  The ghost of Ecsetopt the Hawkeye, a legendary BaWn of Cheibriados (Zig:22)
  The ghost of Ecsetopt the Hawkeye, a legendary BaWn of Cheibriados (Zig:27)
  The ghost of Ecsetopt the Hawkeye, a legendary BaWn of Cheibriados (Zig:27)
  The ghost of Ecsetopt the Hawkeye, a legendary BaWn of Cheibriados (Zig:27)
  The ghost of Fueng the Anchorite, a legendary HOFi of Zin (Zig:27)
  The ghost of Kalug the Executioner, a legendary DrFi of Cheibriados (Zig:20)
  The ghost of Kalug the Executioner, a legendary DrFi of Cheibriados (Zig:20)
  The ghost of Fueng the Anchorite, a legendary HOFi of Zin (Zig:27)
  The ghost of Fueng the Anchorite, a legendary HOFi of Zin (Zig:20)
  The ghost of Kalug the Executioner, a legendary DrFi of Cheibriados (Zig:22)
  The ghost of Kalug the Executioner, a legendary DrFi of Cheibriados (Zig:27)
  The ghost of Fueng the Anchorite, a legendary HOFi of Zin (Zig:27)
  The ghost of Kalug the Executioner, a legendary DrFi of Cheibriados (Zig:22)
  The ghost of Fueng the Anchorite, a legendary HOFi of Zin (Zig:27)
  The ghost of Kalug the Executioner, a legendary DrFi of Cheibriados (Zig:27)
  The ghost of Kalug the Executioner, a legendary DrFi of Cheibriados (Zig:22)
  The ghost of Kalug the Executioner, a legendary DrFi of Cheibriados (Zig:20)
  The ghost of Fueng the Anchorite, a legendary HOFi of Zin (Zig:27)
  The ghost of Fueng the Anchorite, a legendary HOFi of Zin (Zig:22)
  The ghost of Fueng the Anchorite, a legendary HOFi of Zin (Zig:27)
  The ghost of Fueng the Anchorite, a legendary HOFi of Zin (Zig:27)
  The ghost of Fueng the Anchorite, a legendary HOFi of Zin (Zig:16)
  The ghost of Kalug the Executioner, a legendary DrFi of Cheibriados (Zig:16)
  The ghost of Kalug the Executioner, a legendary DrFi of Cheibriados (Zig:20)
  The ghost of Fueng the Anchorite, a legendary HOFi of Zin (Zig:27)
  The ghost of Fueng the Anchorite, a legendary HOFi of Zin (Zig:27)
  The ghost of Fueng the Anchorite, a legendary HOFi of Zin (Zig:27)
  The ghost of Fueng the Anchorite, a legendary HOFi of Zin (Zig:20)
  The ghost of Zoplarin the Conqueror, a legendary BaSk of Cheibriados (Zig:27)
  The ghost of Hillam the Grand Master, a legendary DsTm of Cheibriados (Zig:27)
  The ghost of Zoplarin the Conqueror, a legendary BaSk of Cheibriados (Zig:16)
  The ghost of Hillam the Grand Master, a legendary DsTm of Cheibriados (Zig:16)
  The ghost of Hillam the Grand Master, a legendary DsTm of Cheibriados (Zig:27)
  The ghost of Zoplarin the Conqueror, a legendary BaSk of Cheibriados (Zig:22)
  The ghost of Hillam the Grand Master, a legendary DsTm of Cheibriados (Zig:27)
  The ghost of Zoplarin the Conqueror, a legendary BaSk of Cheibriados (Zig:20)
  The ghost of Zoplarin the Conqueror, a legendary BaSk of Cheibriados (Zig:27)
  The ghost of Zoplarin the Conqueror, a legendary BaSk of Cheibriados (Zig:27)
  The ghost of Hillam the Grand Master, a legendary DsTm of Cheibriados (Zig:14)
  The ghost of Hillam the Grand Master, a legendary DsTm of Cheibriados (Zig:20)
  The ghost of Hillam the Grand Master, a legendary DsTm of Cheibriados (Zig:27)
  The ghost of Zoplarin the Conqueror, a legendary BaSk of Cheibriados (Zig:9)
  The ghost of Zoplarin the Conqueror, a legendary BaSk of Cheibriados (Zig:27)
  The ghost of Hillam the Grand Master, a legendary DsTm of Cheibriados (Zig:27)
  The ghost of Zoplarin the Conqueror, a legendary BaSk of Cheibriados (Zig:20)
  The ghost of Hillam the Grand Master, a legendary DsTm of Cheibriados (Zig:9)
  The ghost of Zoplarin the Conqueror, a legendary BaSk of Cheibriados (Zig:20)
  The ghost of Zoplarin the Conqueror, a legendary BaSk of Cheibriados (Zig:16)
  The ghost of Hillam the Grand Master, a legendary DsTm of Cheibriados (Zig:27)
  The ghost of frimble the Slayer, a legendary DsFi of Okawaru (Zig:9)
  The ghost of frimble the Slayer, a legendary DsFi of Okawaru (Zig:20)
  The ghost of frimble the Slayer, a legendary DsFi of Okawaru (Zig:20)
  The ghost of frimble the Slayer, a legendary DsFi of Okawaru (Zig:27)
  The ghost of frimble the Slayer, a legendary DsFi of Okawaru (Zig:22)
  The ghost of frimble the Slayer, a legendary DsFi of Okawaru (Zig:20)
  The ghost of frimble the Slayer, a legendary DsFi of Okawaru (Zig:14)
  The ghost of frimble the Slayer, a legendary DsFi of Okawaru (Zig:9)
  The ghost of frimble the Slayer, a legendary DsFi of Okawaru (Zig:16)
  The ghost of Xaowkis the Impregnable, a legendary GnWr of Cheibriados (Zig:27)
  The ghost of Xaowkis the Impregnable, a legendary GnWr of Cheibriados (Zig:27)
  The ghost of Xaowkis the Impregnable, a legendary GnWr of Cheibriados (Zig:20)
  The ghost of Xaowkis the Impregnable, a legendary GnWr of Cheibriados (Zig:27)
  The ghost of Xaowkis the Impregnable, a legendary GnWr of Cheibriados (Zig:27)
  The ghost of Xaowkis the Impregnable, a legendary GnWr of Cheibriados (Zig:22)
  The ghost of Xaowkis the Impregnable, a legendary GnWr of Cheibriados (Zig:22)
  The ghost of Xaowkis the Impregnable, a legendary GnWr of Cheibriados (Zig:27)
  The ghost of Xaowkis the Impregnable, a legendary GnWr of Cheibriados (Zig:22)
  The ghost of Xaowkis the Impregnable, a legendary GnWr of Cheibriados (Zig:27)
  The ghost of Zachydoop the Conqueror, a veteran MiMo of Ru (Zig:22)
  The ghost of Zachydoop the Conqueror, a veteran MiMo of Ru (Zig:20)
  The ghost of Zachydoop the Conqueror, a veteran MiMo of Ru (Zig:22)
  The ghost of Zachydoop the Conqueror, a veteran MiMo of Ru (Zig:27)
  The ghost of Zachydoop the Conqueror, a veteran MiMo of Ru (Zig:22)
  The ghost of Zachydoop the Conqueror, a veteran MiMo of Ru (Zig:27)
  The ghost of Zachydoop the Conqueror, a veteran MiMo of Ru (Zig:22)
  The ghost of Zachydoop the Conqueror, a veteran MiMo of Ru (Zig:8)
  The ghost of Zachydoop the Conqueror, a veteran MiMo of Ru (Zig:27)
  The ghost of Zachydoop the Conqueror, a veteran MiMo of Ru (Zig:22)
  The ghost of Zachydoop the Conqueror, a veteran MiMo of Ru (Zig:20)
  The ghost of Zachydoop the Conqueror, a veteran MiMo of Ru (Zig:18)
  The ghost of Zachydoop the Conqueror, a veteran MiMo of Ru (Zig:27)
  The ghost of Zachydoop the Conqueror, a veteran MiMo of Ru (Zig:22)
  The ghost of Zachydoop the Conqueror, a veteran MiMo of Ru (Zig:20)
  The ghost of Zachydoop the Conqueror, a veteran MiMo of Ru (Zig:20)
  The ghost of Zachydoop the Conqueror, a veteran MiMo of Ru (Zig:22)
  The ghost of Zachydoop the Conqueror, a veteran MiMo of Ru (Zig:20)
  The ghost of Zachydoop the Conqueror, a veteran MiMo of Ru (Zig:20)
  The ghost of Zachydoop the Conqueror, a veteran MiMo of Ru (Zig:9)
  The ghost of Wammos the Grand Master, a legendary TeCj of Cheibriados (Zig:27)
  The ghost of Wammos the Grand Master, a legendary TeCj of Cheibriados (Zig:27)
  The ghost of Wammos the Grand Master, a legendary TeCj of Cheibriados (Zig:27)
  The ghost of Wammos the Grand Master, a legendary TeCj of Cheibriados (Zig:27)
  The ghost of Wammos the Grand Master, a legendary TeCj of Cheibriados (Zig:20)
  The ghost of Wammos the Grand Master, a legendary TeCj of Cheibriados (Zig:16)
  The ghost of Wammos the Grand Master, a legendary TeCj of Cheibriados (Zig:20)
  The ghost of Wammos the Grand Master, a legendary TeCj of Cheibriados (Zig:18)
  The ghost of Qupubruts the Slayer, a master HOFi of Okawaru (Zig:27)
  The ghost of Qupubruts the Slayer, a master HOFi of Okawaru (Zig:27)
  The ghost of Qupubruts the Slayer, a master HOFi of Okawaru (Zig:27)
  The ghost of Qupubruts the Slayer, a master HOFi of Okawaru (Zig:27)
  The ghost of Qupubruts the Slayer, a master HOFi of Okawaru (Zig:27)
  The ghost of Qupubruts the Slayer, a master HOFi of Okawaru (Zig:22)
  The ghost of Qupubruts the Slayer, a master HOFi of Okawaru (Zig:27)
  The ghost of Qupubruts the Slayer, a master HOFi of Okawaru (Zig:20)
  The ghost of Qupubruts the Slayer, a master HOFi of Okawaru (Zig:27)
  The ghost of Qupubruts the Slayer, a master HOFi of Okawaru (Zig:22)
  The ghost of Qupubruts the Slayer, a master HOFi of Okawaru (Zig:20)
  The ghost of Qupubruts the Slayer, a master HOFi of Okawaru (Zig:20)
  The ghost of Qupubruts the Slayer, a master HOFi of Okawaru (Zig:22)
  The ghost of Qupubruts the Slayer, a master HOFi of Okawaru (Zig:27)
  The ghost of Qupubruts the Slayer, a master HOFi of Okawaru (Zig:27)
  The ghost of Qupubruts the Slayer, a master HOFi of Okawaru (Zig:27)
  The ghost of Qupubruts the Slayer, a master HOFi of Okawaru (Zig:27)
  The ghost of Talannal the Sharpshooter, a legendary GnHW of Cheibriados (Zig:27)
  The ghost of Talannal the Sharpshooter, a legendary GnHW of Cheibriados (Zig:18)
  The ghost of Talannal the Sharpshooter, a legendary GnHW of Cheibriados (Zig:9)
  The ghost of Talannal the Sharpshooter, a legendary GnHW of Cheibriados (Zig:22)
  The ghost of Talannal the Sharpshooter, a legendary GnHW of Cheibriados (Zig:20)
  The ghost of Talannal the Sharpshooter, a legendary GnHW of Cheibriados (Zig:20)
  The ghost of Talannal the Sharpshooter, a legendary GnHW of Cheibriados (Zig:20)
  The ghost of Talannal the Sharpshooter, a legendary GnHW of Cheibriados (Zig:20)
  The ghost of Talannal the Sharpshooter, a legendary GnHW of Cheibriados (Zig:9)
  The ghost of Talannal the Sharpshooter, a legendary GnHW of Cheibriados (Zig:20)
  The ghost of Alysiarr the Cutthroat, a legendary KoHu of Okawaru (Zig:20)
  The ghost of Alysiarr the Cutthroat, a legendary KoHu of Okawaru (Zig:20)
  The ghost of Alysiarr the Cutthroat, a legendary KoHu of Okawaru (Zig:20)
  The ghost of Alysiarr the Cutthroat, a legendary KoHu of Okawaru (Zig:20)
  The ghost of Alysiarr the Cutthroat, a legendary KoHu of Okawaru (Zig:27)
  The ghost of Alysiarr the Cutthroat, a legendary KoHu of Okawaru (Zig:22)
  The ghost of Alysiarr the Cutthroat, a legendary KoHu of Okawaru (Zig:22)
  The ghost of Alysiarr the Cutthroat, a legendary KoHu of Okawaru (Zig:27)
  The ghost of Alysiarr the Cutthroat, a legendary KoHu of Okawaru (Zig:22)
  The ghost of Alysiarr the Cutthroat, a legendary KoHu of Okawaru (Zig:20)
  The ghost of Zachydoop the Slayer, a veteran MiGl of Makhleb (Zig:22)
  The ghost of Zachydoop the Slayer, a veteran MiGl of Makhleb (Zig:27)
  The ghost of Zachydoop the Slayer, a veteran MiGl of Makhleb (Zig:22)
  The ghost of Zachydoop the Slayer, a veteran MiGl of Makhleb (Zig:22)
  The ghost of Zachydoop the Slayer, a veteran MiGl of Makhleb (Zig:20)
  The ghost of Zachydoop the Slayer, a veteran MiGl of Makhleb (Zig:20)
  The ghost of Zachydoop the Slayer, a veteran MiGl of Makhleb (Zig:20)
  The ghost of Zachydoop the Slayer, a veteran MiGl of Makhleb (Zig:9)
  The ghost of Whoops the Executioner, a master DsFi of Okawaru (Zig:18)
  2972 pandemonium lords
  The ghost of Xocw the Executioner, a legendary GrMo of the Shining One (Zig:27)
  The ghost of Xocw the Executioner, a legendary GrMo of the Shining One (Zig:20)
  The ghost of Xocw the Executioner, a legendary GrMo of the Shining One (Zig:18)
  The ghost of Xocw the Executioner, a legendary GrMo of the Shining One (Zig:22)
  The ghost of Xocw the Executioner, a legendary GrMo of the Shining One (Zig:20)
  The ghost of Xocw the Executioner, a legendary GrMo of the Shining One (Zig:20)
  The ghost of Xocw the Executioner, a legendary GrMo of the Shining One (Zig:27)
  The ghost of Xocw the Executioner, a legendary GrMo of the Shining One (Zig:20)
  The ghost of Xocw the Executioner, a legendary GrMo of the Shining One (Zig:27)
  The ghost of Xocw the Executioner, a legendary GrMo of the Shining One (Zig:27)
  The ghost of Xocw the Executioner, a legendary GrMo of the Shining One (Zig:27)
  The ghost of TuffENuff the Formicid Mishap, a legendary FoFi of Qazlal (Zig:27)
  The ghost of TuffENuff the Formicid Mishap, a legendary FoFi of Qazlal (Zig:9)
  The ghost of TuffENuff the Formicid Mishap, a legendary FoFi of Qazlal (Zig:22)
  The ghost of TuffENuff the Formicid Mishap, a legendary FoFi of Qazlal (Zig:20)
  The ghost of TuffENuff the Formicid Mishap, a legendary FoFi of Qazlal (Zig:27)
  The ghost of TuffENuff the Formicid Mishap, a legendary FoFi of Qazlal (Zig:27)
  The ghost of TuffENuff the Formicid Mishap, a legendary FoFi of Qazlal (Zig:22)
  The ghost of TuffENuff the Formicid Mishap, a legendary FoFi of Qazlal (Zig:27)
  The ghost of TuffENuff the Formicid Mishap, a legendary FoFi of Qazlal (Zig:9)
  The ghost of TuffENuff the Formicid Mishap, a legendary FoFi of Qazlal (Zig:14)
  The ghost of TuffENuff the Formicid Mishap, a legendary FoFi of Qazlal (Zig:18)
  The ghost of TuffENuff the Formicid Mishap, a legendary FoFi of Qazlal (Zig:27)
  The ghost of TuffENuff the Formicid Mishap, a legendary FoFi of Qazlal (Zig:27)
  The ghost of TuffENuff the Formicid Mishap, a legendary FoFi of Qazlal (Zig:27)
  1492 royal mummies
  The ghost of blexxed the Conqueror, a legendary DsFi of Makhleb (Zig:22)
  The ghost of blexxed the Conqueror, a legendary DsFi of Makhleb (Zig:20)
  The ghost of blexxed the Conqueror, a legendary DsFi of Makhleb (Zig:27)
  The ghost of blexxed the Conqueror, a legendary DsFi of Makhleb (Zig:18)
  The ghost of blexxed the Conqueror, a legendary DsFi of Makhleb (Zig:22)
  The ghost of blexxed the Conqueror, a legendary DsFi of Makhleb (Zig:9)
  The ghost of blexxed the Conqueror, a legendary DsFi of Makhleb (Zig:20)
  The ghost of stevelinton the Ninja, a legendary KoBe of Trog (Zig:22)
  The ghost of stevelinton the Ninja, a legendary KoBe of Trog (Zig:22)
  The ghost of stevelinton the Ninja, a legendary KoBe of Trog (Zig:16)
  The ghost of stevelinton the Ninja, a legendary KoBe of Trog (Zig:16)
  The ghost of stevelinton the Ninja, a legendary KoBe of Trog (Zig:20)
  The ghost of stevelinton the Ninja, a legendary KoBe of Trog (Zig:27)
  The ghost of stevelinton the Ninja, a legendary KoBe of Trog (Zig:27)
  The ghost of stevelinton the Ninja, a legendary KoBe of Trog (Zig:20)
  The ghost of stevelinton the Ninja, a legendary KoBe of Trog (Zig:20)
  The ghost of stevelinton the Ninja, a legendary KoBe of Trog (Zig:27)
  The ghost of stevelinton the Ninja, a legendary KoBe of Trog (Zig:22)
  The ghost of stevelinton the Ninja, a legendary KoBe of Trog (Zig:18)
  The ghost of stevelinton the Ninja, a legendary KoBe of Trog (Zig:27)
  The ghost of stevelinton the Ninja, a legendary KoBe of Trog (Zig:22)
  The ghost of stevelinton the Ninja, a legendary KoBe of Trog (Zig:27)
  The ghost of andrewp the Conqueror, a veteran MiBe of Trog (Zig:20)
  The ghost of xzight the Conqueror, a legendary MiBe of Trog (Zig:22)
  The ghost of andrewp the Conqueror, a veteran MiBe of Trog (Zig:22)
  The ghost of xzight the Conqueror, a legendary MiBe of Trog (Zig:27)
  The ghost of andrewp the Conqueror, a veteran MiBe of Trog (Zig:22)
  The ghost of xzight the Conqueror, a legendary MiBe of Trog (Zig:27)
  The ghost of andrewp the Conqueror, a veteran MiBe of Trog (Zig:22)
  The ghost of andrewp the Conqueror, a veteran MiBe of Trog (Zig:27)
  The ghost of xzight the Conqueror, a legendary MiBe of Trog (Zig:27)
  The ghost of xzight the Conqueror, a legendary MiBe of Trog (Zig:22)
  The ghost of andrewp the Conqueror, a veteran MiBe of Trog (Zig:27)
  The ghost of xzight the Conqueror, a legendary MiBe of Trog (Zig:27)
  The ghost of andrewp the Conqueror, a veteran MiBe of Trog (Zig:20)
  The ghost of xzight the Conqueror, a legendary MiBe of Trog (Zig:20)
  The ghost of andrewp the Conqueror, a veteran MiBe of Trog (Zig:20)
  The ghost of xzight the Conqueror, a legendary MiBe of Trog (Zig:27)
  The ghost of xzight the Conqueror, a legendary MiBe of Trog (Zig:27)
  The ghost of xzight the Conqueror, a legendary MiBe of Trog (Zig:20)
  The ghost of andrewp the Conqueror, a veteran MiBe of Trog (Zig:18)
  The ghost of Rirumasy the Octopoid Blade, a legendary OpWn of Gozag (Zig:27)
  The ghost of Rirumasy the Octopoid Blade, a legendary OpWn of Gozag (Zig:20)
  The ghost of Rirumasy the Octopoid Blade, a legendary OpWn of Gozag (Zig:27)
  The ghost of Rirumasy the Octopoid Blade, a legendary OpWn of Gozag (Zig:16)
  The ghost of Rirumasy the Octopoid Blade, a legendary OpWn of Gozag (Zig:27)
  The ghost of Rirumasy the Octopoid Blade, a legendary OpWn of Gozag (Zig:22)
  The ghost of Rirumasy the Octopoid Blade, a legendary OpWn of Gozag (Zig:27)
  The ghost of Rirumasy the Octopoid Blade, a legendary OpWn of Gozag (Zig:20)
  The ghost of Rirumasy the Octopoid Blade, a legendary OpWn of Gozag (Zig:22)
  The ghost of Walil the Intangible, a veteran MiMo of Dithmenos (Zig:9)
  The ghost of Walil the Intangible, a veteran MiMo of Dithmenos (Zig:27)
  The ghost of Walil the Intangible, a veteran MiMo of Dithmenos (Zig:22)
  The ghost of Walil the Intangible, a veteran MiMo of Dithmenos (Zig:22)
  The ghost of Walil the Intangible, a veteran MiMo of Dithmenos (Zig:27)
  The ghost of Walil the Intangible, a veteran MiMo of Dithmenos (Zig:20)
  The ghost of Walil the Intangible, a veteran MiMo of Dithmenos (Zig:9)
  The ghost of Walil the Intangible, a veteran MiMo of Dithmenos (Zig:27)
  The ghost of Walil the Intangible, a veteran MiMo of Dithmenos (Zig:14)
  The ghost of Walil the Intangible, a veteran MiMo of Dithmenos (Zig:27)
  The ghost of Walil the Intangible, a veteran MiMo of Dithmenos (Zig:27)
  The ghost of Walil the Intangible, a veteran MiMo of Dithmenos (Zig:22)
  The ghost of Walil the Intangible, a veteran MiMo of Dithmenos (Zig:14)
  The ghost of Walil the Intangible, a veteran MiMo of Dithmenos (Zig:22)
  The ghost of Kufiz the Slayer, a master GrCK of Xom (Zig:16)
  The ghost of Kufiz the Slayer, a master GrCK of Xom (Zig:20)
  The ghost of Kufiz the Slayer, a master GrCK of Xom (Zig:27)
  The ghost of Kufiz the Slayer, a master GrCK of Xom (Zig:27)
  The ghost of Kufiz the Slayer, a master GrCK of Xom (Zig:16)
  The ghost of Kufiz the Slayer, a master GrCK of Xom (Zig:27)
  The ghost of Kufiz the Slayer, a master GrCK of Xom (Zig:27)
  The ghost of Kufiz the Slayer, a master GrCK of Xom (Zig:20)
  The ghost of Kufiz the Slayer, a master GrCK of Xom (Zig:27)
  The ghost of Kufiz the Slayer, a master GrCK of Xom (Zig:27)
  The ghost of Kufiz the Slayer, a master GrCK of Xom (Zig:27)
  The ghost of Kufiz the Slayer, a master GrCK of Xom (Zig:27)
  The ghost of Kufiz the Slayer, a master GrCK of Xom (Zig:20)
  The ghost of Kufiz the Slayer, a master GrCK of Xom (Zig:20)
  The ghost of thechecker02 the Impregnable, a legendary DDFi of Makhleb (Zig:20)
  The ghost of thechecker02 the Impregnable, a legendary DDFi of Makhleb (Zig:20)
  The ghost of thechecker02 the Impregnable, a legendary DDFi of Makhleb (Zig:22)
  The ghost of thechecker02 the Impregnable, a legendary DDFi of Makhleb (Zig:22)
  The ghost of thechecker02 the Impregnable, a legendary DDFi of Makhleb (Zig:22)
  The ghost of thechecker02 the Impregnable, a legendary DDFi of Makhleb (Zig:18)
  The ghost of thechecker02 the Impregnable, a legendary DDFi of Makhleb (Zig:22)
  The ghost of thechecker02 the Impregnable, a legendary DDFi of Makhleb (Zig:22)
  The ghost of thechecker02 the Impregnable, a legendary DDFi of Makhleb (Zig:20)
  The ghost of thechecker02 the Impregnable, a legendary DDFi of Makhleb (Zig:16)
  The ghost of thechecker02 the Impregnable, a legendary DDFi of Makhleb (Zig:22)
  The ghost of thechecker02 the Impregnable, a legendary DDFi of Makhleb (Zig:27)
  The ghost of thechecker02 the Impregnable, a legendary DDFi of Makhleb (Zig:20)
  The ghost of thechecker02 the Impregnable, a legendary DDFi of Makhleb (Zig:27)
  The ghost of heteroy the Invulnerable, a legendary DsHu of Uskayaw (Zig:9)
  The ghost of heteroy the Invulnerable, a legendary DsHu of Uskayaw (Zig:27)
  The ghost of heteroy the Invulnerable, a legendary DsHu of Uskayaw (Zig:22)
  The ghost of heteroy the Invulnerable, a legendary DsHu of Uskayaw (Zig:22)
  The ghost of heteroy the Invulnerable, a legendary DsHu of Uskayaw (Zig:16)
  The ghost of heteroy the Invulnerable, a legendary DsHu of Uskayaw (Zig:20)
  The ghost of heteroy the Invulnerable, a legendary DsHu of Uskayaw (Zig:27)
  The ghost of heteroy the Invulnerable, a legendary DsHu of Uskayaw (Zig:27)
  The ghost of heteroy the Invulnerable, a legendary DsHu of Uskayaw (Zig:27)
  The ghost of Viugiw the Slayer, a legendary TeBe of the Shining One (Zig:22)
  The ghost of Viugiw the Slayer, a legendary TeBe of the Shining One (Zig:22)
  The ghost of Viugiw the Slayer, a legendary TeBe of the Shining One (Zig:27)
  The ghost of Viugiw the Slayer, a legendary TeBe of the Shining One (Zig:20)
  The ghost of Viugiw the Slayer, a legendary TeBe of the Shining One (Zig:20)
  The ghost of Viugiw the Slayer, a legendary TeBe of the Shining One (Zig:22)
  The ghost of Viugiw the Slayer, a legendary TeBe of the Shining One (Zig:27)
  The ghost of Viugiw the Slayer, a legendary TeBe of the Shining One (Zig:9)
  The ghost of Viugiw the Slayer, a legendary TeBe of the Shining One (Zig:20)
  The ghost of Viugiw the Slayer, a legendary TeBe of the Shining One (Zig:27)
  The ghost of Viugiw the Slayer, a legendary TeBe of the Shining One (Zig:27)
  The ghost of BoringLoser the Acrobat, a veteran TeAE of Ru (Zig:27)
  The ghost of BoringLoser the Acrobat, a veteran TeAE of Ru (Zig:20)
  The ghost of BoringLoser the Acrobat, a veteran TeAE of Ru (Zig:20)
  The ghost of BoringLoser the Acrobat, a veteran TeAE of Ru (Zig:22)
  The ghost of BoringLoser the Acrobat, a veteran TeAE of Ru (Zig:22)
  The ghost of BoringLoser the Acrobat, a veteran TeAE of Ru (Zig:22)
  The ghost of BoringLoser the Acrobat, a veteran TeAE of Ru (Zig:27)
  The ghost of BoringLoser the Acrobat, a veteran TeAE of Ru (Zig:20)
  The ghost of BoringLoser the Acrobat, a veteran TeAE of Ru (Zig:20)
  The ghost of BoringLoser the Acrobat, a veteran TeAE of Ru (Zig:27)
  Boris (4 times) (Vaults:4 Vaults:5 Crypt:1 Tomb:3)
  The ghost of Waohesse the Slayer, a legendary VSFi of the Shining One (Zig:27)
  The ghost of Waohesse the Slayer, a legendary VSFi of the Shining One (Zig:22)
  The ghost of Waohesse the Slayer, a legendary VSFi of the Shining One (Zig:20)
  The ghost of Waohesse the Slayer, a legendary VSFi of the Shining One (Zig:27)
  The ghost of Waohesse the Slayer, a legendary VSFi of the Shining One (Zig:22)
  The ghost of Waohesse the Slayer, a legendary VSFi of the Shining One (Zig:22)
  The ghost of Waohesse the Slayer, a legendary VSFi of the Shining One (Zig:20)
  The ghost of Waohesse the Slayer, a legendary VSFi of the Shining One (Zig:9)
  The ghost of Waohesse the Slayer, a legendary VSFi of the Shining One (Zig:20)
  The ghost of Waohesse the Slayer, a legendary VSFi of the Shining One (Zig:22)
  The ghost of Waohesse the Slayer, a legendary VSFi of the Shining One (Zig:27)
  The ghost of Waohesse the Slayer, a legendary VSFi of the Shining One (Zig:16)
  The ghost of Waohesse the Slayer, a legendary VSFi of the Shining One (Zig:20)
  The ghost of Waohesse the Slayer, a legendary VSFi of the Shining One (Zig:22)
  738 shard shrikes
  The ghost of Evehuixoju the Rhythm of Life and Death, a legendary VSFi of Uskayaw (Zig:27)
  The ghost of Evehuixoju the Rhythm of Life and Death, a legendary VSFi of Uskayaw (Zig:9)
  The ghost of Evehuixoju the Rhythm of Life and Death, a legendary VSFi of Uskayaw (Zig:27)
  The ghost of Evehuixoju the Rhythm of Life and Death, a legendary VSFi of Uskayaw (Zig:20)
  The ghost of Evehuixoju the Rhythm of Life and Death, a legendary VSFi of Uskayaw (Zig:20)
  The ghost of Evehuixoju the Rhythm of Life and Death, a legendary VSFi of Uskayaw (Zig:27)
  The ghost of Evehuixoju the Wallflower, a legendary VSFi of Uskayaw (Zig:5)
  The ghost of Evehuixoju the Rhythm of Life and Death, a legendary VSFi of Uskayaw (Zig:27)
  The ghost of Evehuixoju the Rhythm of Life and Death, a legendary VSFi of Uskayaw (Zig:27)
  The ghost of Evehuixoju the Rhythm of Life and Death, a legendary VSFi of Uskayaw (Zig:27)
  The ghost of Evehuixoju the Rhythm of Life and Death, a legendary VSFi of Uskayaw (Zig:22)
  The ghost of Evehuixoju the Rhythm of Life and Death, a legendary VSFi of Uskayaw (Zig:27)
  The ghost of Evehuixoju the Rhythm of Life and Death, a legendary VSFi of Uskayaw (Zig:9)
  The ghost of Evehuixoju the Rhythm of Life and Death, a legendary VSFi of Uskayaw (Zig:22)
  The ghost of Evehuixoju the Rhythm of Life and Death, a legendary VSFi of Uskayaw (Zig:27)
  The ghost of Evehuixoju the Rhythm of Life and Death, a legendary VSFi of Uskayaw (Zig:22)
  The ghost of lukano the Imperceptible, a legendary GrFi of the Shining One (Zig:22)
  The ghost of lukano the Imperceptible, a legendary GrFi of the Shining One (Zig:16)
  The ghost of lukano the Imperceptible, a legendary GrFi of the Shining One (Zig:27)
  The ghost of lukano the Imperceptible, a legendary GrFi of the Shining One (Zig:20)
  The ghost of lukano the Imperceptible, a legendary GrFi of the Shining One (Zig:27)
  The ghost of lukano the Imperceptible, a legendary GrFi of the Shining One (Zig:27)
  The ghost of lukano the Imperceptible, a legendary GrFi of the Shining One (Zig:27)
  The ghost of lukano the Imperceptible, a legendary GrFi of the Shining One (Zig:27)
  The ghost of lukano the Imperceptible, a legendary GrFi of the Shining One (Zig:27)
  The ghost of Dameikh the Hoplite, a veteran FoFi of Nemelex Xobeh (Zig:20)
  The ghost of Dameikh the Hoplite, a veteran FoFi of Nemelex Xobeh (Zig:22)
  The ghost of Dameikh the Hoplite, a veteran FoFi of Nemelex Xobeh (Zig:20)
  The ghost of Dameikh the Hoplite, a veteran FoFi of Nemelex Xobeh (Zig:27)
  The ghost of Dameikh the Hoplite, a veteran FoFi of Nemelex Xobeh (Zig:22)
  The ghost of Dameikh the Hoplite, a veteran FoFi of Nemelex Xobeh (Zig:20)
  The ghost of Dameikh the Hoplite, a veteran FoFi of Nemelex Xobeh (Zig:27)
  The ghost of Godueg the Slayer, a veteran HOFi of the Shining One (Zig:27)
  The ghost of Godueg the Slayer, a veteran HOFi of the Shining One (Zig:16)
  The ghost of Godueg the Slayer, a veteran HOFi of the Shining One (Zig:27)
  The ghost of Godueg the Slayer, a veteran HOFi of the Shining One (Zig:27)
  The ghost of Godueg the Slayer, a veteran HOFi of the Shining One (Zig:22)
  The ghost of Godueg the Slayer, a veteran HOFi of the Shining One (Zig:27)
  The ghost of Godueg the Slayer, a veteran HOFi of the Shining One (Zig:18)
  The ghost of Godueg the Slayer, a veteran HOFi of the Shining One (Zig:27)
  The ghost of Godueg the Slayer, a veteran HOFi of the Shining One (Zig:20)
  The ghost of Godueg the Slayer, a veteran HOFi of the Shining One (Zig:27)
  The ghost of Godueg the Slayer, a veteran HOFi of the Shining One (Zig:18)
  The ghost of Godueg the Slayer, a veteran HOFi of the Shining One (Zig:27)
  The ghost of Godueg the Slayer, a veteran HOFi of the Shining One (Zig:27)
  The ghost of Godueg the Slayer, a veteran HOFi of the Shining One (Zig:20)
  The ghost of Godueg the Slayer, a veteran HOFi of the Shining One (Zig:20)
  The ghost of Godueg the Slayer, a veteran HOFi of the Shining One (Zig:27)
  Bai Suzhen (Spider:4)
  The ghost of Piginabag the Questioner, a veteran GnMo of Ru (Zig:22)
  The ghost of Piginabag the Questioner, a veteran GnMo of Ru (Zig:27)
  The ghost of Piginabag the Questioner, a veteran GnMo of Ru (Zig:9)
  The ghost of Piginabag the Questioner, a veteran GnMo of Ru (Zig:22)
  The ghost of Piginabag the Questioner, a veteran GnMo of Ru (Zig:22)
  The ghost of Piginabag the Questioner, a veteran GnMo of Ru (Zig:9)
  The ghost of Piginabag the Questioner, a veteran GnMo of Ru (Zig:27)
  The ghost of Piginabag the Questioner, a veteran GnMo of Ru (Zig:22)
  The ghost of Piginabag the Questioner, a veteran GnMo of Ru (Zig:9)
  The ghost of Piginabag the Questioner, a veteran GnMo of Ru (Zig:22)
  The ghost of Piginabag the Questioner, a veteran GnMo of Ru (Zig:22)
  The ghost of Piginabag the Questioner, a veteran GnMo of Ru (Zig:27)
  The ghost of Piginabag the Questioner, a veteran GnMo of Ru (Zig:22)
  The ghost of Piginabag the Questioner, a veteran GnMo of Ru (Zig:27)
  The ghost of Piginabag the Questioner, a veteran GnMo of Ru (Zig:20)
  The ghost of Piginabag the Questioner, a veteran GnMo of Ru (Zig:22)
  The ghost of Piginabag the Questioner, a veteran GnMo of Ru (Zig:14)
  The ghost of Piginabag the Questioner, a veteran GnMo of Ru (Zig:22)
  Vv (Crypt:3)
  The ghost of Gucom the Sluggish Gnoll, a veteran GnFi of Cheibriados (Zig:18)
  The ghost of Gucom the Sluggish Gnoll, a veteran GnFi of Cheibriados (Zig:20)
  The ghost of Gucom the Sluggish Gnoll, a veteran GnFi of Cheibriados (Zig:20)
  The ghost of Gucom the Sluggish Gnoll, a veteran GnFi of Cheibriados (Zig:27)
  The ghost of Gucom the Sluggish Gnoll, a veteran GnFi of Cheibriados (Zig:27)
  The ghost of Gucom the Sluggish Gnoll, a veteran GnFi of Cheibriados (Zig:27)
  The ghost of Gucom the Sluggish Gnoll, a veteran GnFi of Cheibriados (Zig:16)
  The ghost of Gucom the Sluggish Gnoll, a veteran GnFi of Cheibriados (Zig:27)
  The ghost of Gucom the Sluggish Gnoll, a veteran GnFi of Cheibriados (Zig:20)
  The ghost of Gucom the Sluggish Gnoll, a veteran GnFi of Cheibriados (Zig:27)
  The ghost of Gucom the Sluggish Gnoll, a veteran GnFi of Cheibriados (Zig:22)
  The ghost of Gucom the Sluggish Gnoll, a veteran GnFi of Cheibriados (Zig:20)
  The ghost of Gucom the Sluggish Gnoll, a veteran GnFi of Cheibriados (Zig:27)
  The ghost of Gucom the Sluggish Gnoll, a veteran GnFi of Cheibriados (Zig:27)
  The ghost of Gucom the Sluggish Gnoll, a veteran GnFi of Cheibriados (Zig:27)
  The ghost of Gucom the Sluggish Gnoll, a veteran GnFi of Cheibriados (Zig:27)
  The ghost of yaoilover the Conqueror, a veteran MiBe of Trog (Zig:27)
  The ghost of yaoilover the Conqueror, a veteran MiBe of Trog (Zig:22)
  The ghost of yaoilover the Conqueror, a veteran MiBe of Trog (Zig:22)
  The ghost of yaoilover the Conqueror, a veteran MiBe of Trog (Zig:20)
  The ghost of yaoilover the Conqueror, a veteran MiBe of Trog (Zig:22)
  The ghost of yaoilover the Conqueror, a veteran MiBe of Trog (Zig:27)
  The ghost of yaoilover the Conqueror, a veteran MiBe of Trog (Zig:9)
  The ghost of yaoilover the Conqueror, a veteran MiBe of Trog (Zig:16)
  The ghost of yaoilover the Conqueror, a veteran MiBe of Trog (Zig:22)
  The ghost of lmSkywalker the Warrior, an adept DrTm of Okawaru (Zig:18)
  The ghost of lmSkywalker the Warrior, an adept DrTm of Okawaru (Zig:27)
  The ghost of lmSkywalker the Warrior, an adept DrTm of Okawaru (Zig:20)
  The ghost of lmSkywalker the Warrior, an adept DrTm of Okawaru (Zig:20)
  The ghost of lmSkywalker the Warrior, an adept DrTm of Okawaru (Zig:22)
  The ghost of lmSkywalker the Warrior, an adept DrTm of Okawaru (Zig:27)
  The ghost of lmSkywalker the Warrior, an adept DrTm of Okawaru (Zig:27)
  The ghost of lmSkywalker the Warrior, an adept DrTm of Okawaru (Zig:22)
  The ghost of lmSkywalker the Warrior, an adept DrTm of Okawaru (Zig:22)
  The ghost of frimble the Slayer, a legendary GrFi of Okawaru (Zig:27)
  The ghost of frimble the Slayer, a legendary GrFi of Okawaru (Zig:20)
  The ghost of frimble the Slayer, a legendary GrFi of Okawaru (Zig:16)
  The ghost of frimble the Slayer, a legendary GrFi of Okawaru (Zig:22)
  The ghost of frimble the Slayer, a legendary GrFi of Okawaru (Zig:27)
  The ghost of frimble the Slayer, a legendary GrFi of Okawaru (Zig:22)
  The ghost of frimble the Slayer, a legendary GrFi of Okawaru (Zig:16)
  The ghost of frimble the Slayer, a legendary GrFi of Okawaru (Zig:27)
  The ghost of frimble the Slayer, a legendary GrFi of Okawaru (Zig:20)
  The ghost of Qatinlae the Archmage, a veteran DEFE of Sif Muna (Zig:27)
  The ghost of Qatinlae the Archmage, a veteran DEFE of Sif Muna (Zig:22)
  The ghost of Qatinlae the Archmage, a veteran DEFE of Sif Muna (Zig:27)
  The ghost of Qatinlae the Archmage, a veteran DEFE of Sif Muna (Zig:8)
  The ghost of Qatinlae the Archmage, a veteran DEFE of Sif Muna (Zig:16)
  The ghost of Qatinlae the Archmage, a veteran DEFE of Sif Muna (Zig:27)
  The ghost of Qatinlae the Archmage, a veteran DEFE of Sif Muna (Zig:27)
  The ghost of Qatinlae the Archmage, a veteran DEFE of Sif Muna (Zig:22)
  The ghost of Qatinlae the Archmage, a veteran DEFE of Sif Muna (Zig:22)
  The ghost of WeeknightWizard the Sorcerer, a veteran DEFE of Vehumet (Zig:20)
  The ghost of WeeknightWizard the Sorcerer, a veteran DEFE of Vehumet (Zig:20)
  The ghost of WeeknightWizard the Sorcerer, a veteran DEFE of Vehumet (Zig:22)
  The ghost of WeeknightWizard the Sorcerer, a veteran DEFE of Vehumet (Zig:27)
  The ghost of WeeknightWizard the Sorcerer, a veteran DEFE of Vehumet (Zig:20)
  The ghost of WeeknightWizard the Sorcerer, a veteran DEFE of Vehumet (Zig:27)
  768 Killer Klowns
  Geryon (Hell)
  The ghost of Ycuhohed the Acrobat, a veteran TeBe of Trog (Zig:16)
  The ghost of Ycuhohed the Acrobat, a veteran TeBe of Trog (Zig:27)
  The ghost of Ycuhohed the Acrobat, a veteran TeBe of Trog (Zig:20)
  The ghost of Ycuhohed the Acrobat, a veteran TeBe of Trog (Zig:27)
  The ghost of Ycuhohed the Acrobat, a veteran TeBe of Trog (Zig:22)
  The ghost of Ycuhohed the Acrobat, a veteran TeBe of Trog (Zig:22)
  The ghost of Ycuhohed the Acrobat, a veteran TeBe of Trog (Zig:16)
  The ghost of Ycuhohed the Acrobat, a veteran TeBe of Trog (Zig:20)
  The ghost of Ycuhohed the Acrobat, a veteran TeBe of Trog (Zig:22)
  The ghost of Ycuhohed the Acrobat, a veteran TeBe of Trog (Zig:22)
  The ghost of Ycuhohed the Acrobat, a veteran TeBe of Trog (Zig:22)
  The ghost of Ycuhohed the Acrobat, a veteran TeBe of Trog (Zig:27)
  The ghost of Ycuhohed the Acrobat, a veteran TeBe of Trog (Zig:20)
  The ghost of Pusocauss the Warrior, a legendary VSBe of Trog (Zig:27)
  The ghost of Pusocauss the Warrior, a legendary VSBe of Trog (Zig:22)
  The ghost of Pusocauss the Warrior, a legendary VSBe of Trog (Zig:22)
  The ghost of Pusocauss the Warrior, a legendary VSBe of Trog (Zig:27)
  The ghost of Pusocauss the Warrior, a legendary VSBe of Trog (Zig:9)
  The ghost of Pusocauss the Warrior, a legendary VSBe of Trog (Zig:22)
  The ghost of Pusocauss the Warrior, a legendary VSBe of Trog (Zig:27)
  The ghost of Pusocauss the Warrior, a legendary VSBe of Trog (Zig:27)
  The ghost of Pusocauss the Warrior, a legendary VSBe of Trog (Zig:16)
  The ghost of Pusocauss the Warrior, a legendary VSBe of Trog (Zig:27)
  The ghost of Pusocauss the Warrior, a legendary VSBe of Trog (Zig:16)
  The ghost of Pusocauss the Warrior, a legendary VSBe of Trog (Zig:22)
  The ghost of Pusocauss the Warrior, a legendary VSBe of Trog (Zig:27)
  The ghost of Pusocauss the Warrior, a legendary VSBe of Trog (Zig:20)
  The ghost of meatyocre the Brawler, a veteran TrFi of Uskayaw (Zig:22)
  The ghost of meatyocre the Brawler, a veteran TrFi of Uskayaw (Zig:18)
  The ghost of meatyocre the Brawler, a veteran TrFi of Uskayaw (Zig:27)
  The ghost of meatyocre the Brawler, a veteran TrFi of Uskayaw (Zig:9)
  The ghost of meatyocre the Brawler, a veteran TrFi of Uskayaw (Zig:22)
  The ghost of meatyocre the Brawler, a veteran TrFi of Uskayaw (Zig:27)
  The ghost of meatyocre the Brawler, a veteran TrFi of Uskayaw (Zig:22)
  The ghost of meatyocre the Brawler, a veteran TrFi of Uskayaw (Zig:27)
  The ghost of meatyocre the Brawler, a veteran TrFi of Uskayaw (Zig:20)
  The ghost of meatyocre the Brawler, a veteran TrFi of Uskayaw (Zig:20)
  The ghost of meatyocre the Brawler, a veteran TrFi of Uskayaw (Zig:27)
  The ghost of meatyocre the Brawler, a veteran TrFi of Uskayaw (Zig:27)
  The ghost of meatyocre the Brawler, a veteran TrFi of Uskayaw (Zig:22)
  The ghost of meatyocre the Brawler, a veteran TrFi of Uskayaw (Zig:9)
  The ghost of meatyocre the Brawler, a veteran TrFi of Uskayaw (Zig:16)
  The ghost of meatyocre the Brawler, a veteran TrFi of Uskayaw (Zig:20)
  124 curse toes
  The ghost of astronautguy the Purveyor of Pain, a master DEFE of Kikubaaqudgha (Zig:27)
  The ghost of astronautguy the Purveyor of Pain, a master DEFE of Kikubaaqudgha (Zig:20)
  The ghost of astronautguy the Purveyor of Pain, a master DEFE of Kikubaaqudgha (Zig:27)
  The ghost of astronautguy the Purveyor of Pain, a master DEFE of Kikubaaqudgha (Zig:27)
  The ghost of astronautguy the Purveyor of Pain, a master DEFE of Kikubaaqudgha (Zig:27)
  The ghost of astronautguy the Purveyor of Pain, a master DEFE of Kikubaaqudgha (Zig:27)
  The ghost of astronautguy the Purveyor of Pain, a master DEFE of Kikubaaqudgha (Zig:16)
  The ghost of astronautguy the Purveyor of Pain, a master DEFE of Kikubaaqudgha (Zig:27)
  The ghost of Heartburn the Minotaur Barricade, a veteran MiFi of Okawaru (Zig:27)
  The ghost of Heartburn the Minotaur Barricade, a veteran MiFi of Okawaru (Zig:27)
  The ghost of Heartburn the Minotaur Barricade, a veteran MiFi of Okawaru (Zig:27)
  The ghost of Heartburn the Minotaur Barricade, a veteran MiFi of Okawaru (Zig:22)
  The ghost of Heartburn the Minotaur Barricade, a veteran MiFi of Okawaru (Zig:27)
  The ghost of Heartburn the Minotaur Barricade, a veteran MiFi of Okawaru (Zig:27)
  The ghost of Heartburn the Minotaur Barricade, a veteran MiFi of Okawaru (Zig:27)
  The ghost of Heartburn the Minotaur Barricade, a veteran MiFi of Okawaru (Zig:20)
  The ghost of Heartburn the Minotaur Barricade, a veteran MiFi of Okawaru (Zig:22)
  The ghost of EricTams the Hoplite, a veteran MiBe of Trog (Zig:14)
  The ghost of EricTams the Hoplite, a veteran MiBe of Trog (Zig:22)
  The ghost of EricTams the Hoplite, a veteran MiBe of Trog (Zig:27)
  The ghost of EricTams the Hoplite, a veteran MiBe of Trog (Zig:20)
  The ghost of EricTams the Hoplite, a veteran MiBe of Trog (Zig:27)
  The ghost of EricTams the Hoplite, a veteran MiBe of Trog (Zig:27)
  The ghost of EricTams the Hoplite, a veteran MiBe of Trog (Zig:22)
  The ghost of EricTams the Hoplite, a veteran MiBe of Trog (Zig:27)
  The ghost of EricTams the Hoplite, a veteran MiBe of Trog (Zig:16)
  The ghost of EricTams the Hoplite, a veteran MiBe of Trog (Zig:27)
  1182 caustic shrikes
  9 caustic shrikes (shapeshifter)
  The ghost of Janeylunn the Struggler, a veteran GnWn of Okawaru (Zig:27)
  The ghost of Janeylunn the Struggler, a veteran GnWn of Okawaru (Zig:9)
  The ghost of Janeylunn the Struggler, a veteran GnWn of Okawaru (Zig:27)
  The ghost of Janeylunn the Struggler, a veteran GnWn of Okawaru (Zig:20)
  The ghost of Janeylunn the Struggler, a veteran GnWn of Okawaru (Zig:16)
  The ghost of Janeylunn the Struggler, a veteran GnWn of Okawaru (Zig:22)
  The ghost of Janeylunn the Struggler, a veteran GnWn of Okawaru (Zig:20)
  The ghost of Janeylunn the Struggler, a veteran GnWn of Okawaru (Zig:20)
  The ghost of Janeylunn the Struggler, a veteran GnWn of Okawaru (Zig:9)
  The ghost of Anafel the Impregnable, a legendary GrFi of the Shining One (Zig:27)
  The ghost of Anafel the Impregnable, a legendary GrFi of the Shining One (Zig:16)
  The ghost of Anafel the Impregnable, a legendary GrFi of the Shining One (Zig:22)
  The ghost of Anafel the Impregnable, a legendary GrFi of the Shining One (Zig:16)
  The ghost of Anafel the Impregnable, a legendary GrFi of the Shining One (Zig:22)
  The ghost of Anafel the Impregnable, a legendary GrFi of the Shining One (Zig:9)
  Nikola (Shoals:2)
  Jory (Depths:4)
  The ghost of Pohawk the Severer, an adept MiGl of the Shining One (Zig:9)
  The ghost of Pohawk the Severer, an adept MiGl of the Shining One (Zig:22)
  The ghost of Pohawk the Severer, an adept MiGl of the Shining One (Zig:18)
  The ghost of Pohawk the Severer, an adept MiGl of the Shining One (Zig:9)
  The ghost of Pohawk the Severer, an adept MiGl of the Shining One (Zig:27)
  The ghost of Pohawk the Severer, an adept MiGl of the Shining One (Zig:27)
  The ghost of Pohawk the Severer, an adept MiGl of the Shining One (Zig:22)
  The ghost of Pohawk the Severer, an adept MiGl of the Shining One (Zig:20)
  The ghost of Pohawk the Severer, an adept MiGl of the Shining One (Zig:27)
  The ghost of Pohawk the Severer, an adept MiGl of the Shining One (Zig:27)
  The ghost of Pohawk the Severer, an adept MiGl of the Shining One (Zig:22)
  The ghost of Gemnonof the Warrior, an adept DgCj (Zig:27)
  The ghost of Gemnonof the Warrior, an adept DgCj (Zig:27)
  The ghost of Gemnonof the Warrior, an adept DgCj (Zig:22)
  The ghost of Gemnonof the Warrior, an adept DgCj (Zig:16)
  The ghost of Gemnonof the Warrior, an adept DgCj (Zig:16)
  The ghost of Gemnonof the Warrior, an adept DgCj (Zig:22)
  The ghost of Gemnonof the Warrior, an adept DgCj (Zig:27)
  The ghost of Gemnonof the Warrior, an adept DgCj (Zig:22)
  The ghost of Gemnonof the Warrior, an adept DgCj (Zig:22)
  The ghost of Gemnonof the Warrior, an adept DgCj (Zig:20)
  The ghost of Gemnonof the Warrior, an adept DgCj (Zig:27)
  The ghost of Gemnonof the Warrior, an adept DgCj (Zig:27)
  2629 golden dragons
  The ghost of Uhosoup the Slayer, a veteran GrFi of Okawaru (Zig:16)
  The ghost of Uhosoup the Slayer, a veteran GrFi of Okawaru (Zig:27)
  The ghost of Uhosoup the Slayer, a veteran GrFi of Okawaru (Zig:16)
  The ghost of Uhosoup the Slayer, a veteran GrFi of Okawaru (Zig:27)
  The ghost of Uhosoup the Slayer, a veteran GrFi of Okawaru (Zig:9)
  The ghost of Uhosoup the Slayer, a veteran GrFi of Okawaru (Zig:27)
  The ghost of Uhosoup the Slayer, a veteran GrFi of Okawaru (Zig:20)
  The ghost of Uhosoup the Slayer, a veteran GrFi of Okawaru (Zig:20)
  The ghost of Uhosoup the Slayer, a veteran GrFi of Okawaru (Zig:27)
  759 profane servitors
  11 golden dragons (shapeshifter)
  The ghost of Ebassic the Hoplite, a veteran GrFi of the Shining One (Zig:27)
  The ghost of Ebassic the Hoplite, a veteran GrFi of the Shining One (Zig:22)
  The ghost of Ebassic the Hoplite, a veteran GrFi of the Shining One (Zig:27)
  The ghost of Ebassic the Hoplite, a veteran GrFi of the Shining One (Zig:27)
  The ghost of Ebassic the Hoplite, a veteran GrFi of the Shining One (Zig:20)
  The ghost of Ebassic the Hoplite, a veteran GrFi of the Shining One (Zig:22)
  The ghost of Ebassic the Hoplite, a veteran GrFi of the Shining One (Zig:27)
  The ghost of Rocah the Hoplite, a veteran GrFi of the Shining One (Zig:27)
  The ghost of Rocah the Hoplite, a veteran GrFi of the Shining One (Zig:16)
  The ghost of Rocah the Hoplite, a veteran GrFi of the Shining One (Zig:14)
  The ghost of Rocah the Hoplite, a veteran GrFi of the Shining One (Zig:14)
  The ghost of Rocah the Hoplite, a veteran GrFi of the Shining One (Zig:22)
  The ghost of Rocah the Hoplite, a veteran GrFi of the Shining One (Zig:20)
  The ghost of Rocah the Hoplite, a veteran GrFi of the Shining One (Zig:20)
  The ghost of Rocah the Hoplite, a veteran GrFi of the Shining One (Zig:20)
  The ghost of Rocah the Hoplite, a veteran GrFi of the Shining One (Zig:16)
  The ghost of Rocah the Hoplite, a veteran GrFi of the Shining One (Zig:27)
  The ghost of Rocah the Hoplite, a veteran GrFi of the Shining One (Zig:27)
  the Enchantress (Depths:3)
  The ghost of Pikuto the Slayer, an adept MiBe of Trog (Zig:20)
  The ghost of Pikuto the Slayer, an adept MiBe of Trog (Zig:20)
  The ghost of Pikuto the Slayer, an adept MiBe of Trog (Zig:22)
  The ghost of Pikuto the Slayer, an adept MiBe of Trog (Zig:22)
  The ghost of Pikuto the Slayer, an adept MiBe of Trog (Zig:27)
  The ghost of Pikuto the Slayer, an adept MiBe of Trog (Zig:16)
  The ghost of Pikuto the Slayer, an adept MiBe of Trog (Zig:22)
  The ghost of Pikuto the Slayer, an adept MiBe of Trog (Zig:27)
  The ghost of Pikuto the Slayer, an adept MiBe of Trog (Zig:27)
  The ghost of Pikuto the Slayer, an adept MiBe of Trog (Zig:27)
  The ghost of Saphesar the Demonic Mishap, a veteran DsFi of Qazlal (Zig:27)
  The ghost of Saphesar the Demonic Mishap, a veteran DsFi of Qazlal (Zig:18)
  The ghost of Saphesar the Demonic Mishap, a veteran DsFi of Qazlal (Zig:20)
  The ghost of Saphesar the Demonic Mishap, a veteran DsFi of Qazlal (Zig:20)
  The ghost of Saphesar the Demonic Mishap, a veteran DsFi of Qazlal (Zig:27)
  The ghost of Saphesar the Demonic Mishap, a veteran DsFi of Qazlal (Zig:27)
  The ghost of Saphesar the Demonic Mishap, a veteran DsFi of Qazlal (Zig:27)
  The ghost of Saphesar the Demonic Mishap, a veteran DsFi of Qazlal (Zig:22)
  The ghost of Saphesar the Demonic Mishap, a veteran DsFi of Qazlal (Zig:20)
  The ghost of Saphesar the Demonic Mishap, a veteran DsFi of Qazlal (Zig:27)
  The ghost of Saphesar the Demonic Mishap, a veteran DsFi of Qazlal (Zig:27)
  The ghost of Saphesar the Demonic Mishap, a veteran DsFi of Qazlal (Zig:14)
  The ghost of Saphesar the Demonic Mishap, a veteran DsFi of Qazlal (Zig:20)
  The ghost of Saphesar the Demonic Mishap, a veteran DsFi of Qazlal (Zig:16)
  247 electric golems
  1566 bone dragons
  685 pearl dragons
  1049 iron giants
  244 doom hounds
  1312 hellephants
  Rupert (D:13)
  5 iron giants (shapeshifter)
  2 spectral shard shrikes
  The ghost of Xutext the Spry, an adept DsAK of Lugonu (Zig:22)
  The ghost of Xutext the Spry, an adept DsAK of Lugonu (Zig:20)
  The ghost of Xutext the Spry, an adept DsAK of Lugonu (Zig:20)
  The ghost of Xutext the Spry, an adept DsAK of Lugonu (Zig:22)
  The ghost of Xutext the Spry, an adept DsAK of Lugonu (Zig:9)
  The ghost of Xutext the Spry, an adept DsAK of Lugonu (Zig:27)
  The ghost of Xutext the Spry, an adept DsAK of Lugonu (Zig:27)
  The ghost of Xutext the Spry, an adept DsAK of Lugonu (Zig:16)
  The ghost of Xutext the Spry, an adept DsAK of Lugonu (Zig:27)
  The ghost of slitherrr the Unseen, an adept NaRe of Gozag (Elf:3)
  1642 Ice Fiends
  1206 Brimstone Fiends
  A shard shrike skeleton (Crypt:2)
  605 Tzitzimimeh
  Zenata (Elf:2)
  2171 tentacled monstrosities
  10 walking crystal tomes
  1378 Hell Sentinels
  2530 titans
  The ghost of Zeph the Severer, an adept NaFi of Cheibriados (Zig:27)
  The ghost of Zeph the Severer, an adept NaFi of Cheibriados (Zig:27)
  The ghost of Zeph the Severer, an adept NaFi of Cheibriados (Zig:18)
  The ghost of Zeph the Severer, an adept NaFi of Cheibriados (Zig:22)
  The ghost of Zeph the Severer, an adept NaFi of Cheibriados (Zig:27)
  The ghost of Zeph the Severer, an adept NaFi of Cheibriados (Zig:22)
  The ghost of Zeph the Severer, an adept NaFi of Cheibriados (Zig:20)
  The ghost of Zeph the Severer, an adept NaFi of Cheibriados (Zig:22)
  The ghost of Zeph the Severer, an adept NaFi of Cheibriados (Zig:20)
  The ghost of Zeph the Severer, an adept NaFi of Cheibriados (Zig:22)
  The ghost of Zeph the Severer, an adept NaFi of Cheibriados (Zig:22)
  The ghost of Zeph the Severer, an adept NaFi of Cheibriados (Zig:27)
  The ghost of Zeph the Severer, an adept NaFi of Cheibriados (Zig:27)
  12 walking earthen tomes
  10 walking frostbound tomes
  863 liches
  1154 deep elf master archers
  12 Orb Guardians
  8 walking divine tomes
  1042 deep elf blademasters
  225 tainted leviathans
  3946 acid blobs
  53 quicksilver dragons (shapeshifter)
  448 sphinxes
  391 tentacled starspawn
  Polyphemus (Shoals:3)
  695 quicksilver dragons
  1190 ancient champions
  6 acid blobs (shapeshifter)
  647 Executioners
  801 searing wretches
  4 death cobs
  Murray (Hell)
  17 eldritch tentacles
  The ghost of frimble the Struggler, an adept DsGl of Okawaru (Zig:20)
  The ghost of frimble the Struggler, an adept DsGl of Okawaru (Zig:22)
  The ghost of frimble the Struggler, an adept DsGl of Okawaru (Zig:22)
  The ghost of frimble the Struggler, an adept DsGl of Okawaru (Zig:18)
  The ghost of frimble the Struggler, an adept DsGl of Okawaru (Zig:22)
  The ghost of frimble the Struggler, an adept DsGl of Okawaru (Zig:20)
  The ghost of frimble the Struggler, an adept DsGl of Okawaru (Zig:27)
  The ghost of frimble the Struggler, an adept DsGl of Okawaru (Zig:27)
  The ghost of frimble the Struggler, an adept DsGl of Okawaru (Zig:27)
  The ghost of frimble the Struggler, an adept DsGl of Okawaru (Zig:22)
  The ghost of frimble the Struggler, an adept DsGl of Okawaru (Zig:20)
  The ghost of frimble the Struggler, an adept DsGl of Okawaru (Zig:20)
  The ghost of frimble the Struggler, an adept DsGl of Okawaru (Zig:27)
  The ghost of frimble the Struggler, an adept DsGl of Okawaru (Zig:20)
  The ghost of frimble the Struggler, an adept DsGl of Okawaru (Zig:20)
  The ghost of frimble the Struggler, an adept DsGl of Okawaru (Zig:27)
  318 shadow dragons
  48 sphinxes (shapeshifter)
  The ghost of Himmaryad the Brawler, an adept TrMo of Nemelex Xobeh (Zig:22)
  The ghost of Polaczum the Brawler, an adept TrMo of Nemelex Xobeh (Zig:22)
  The ghost of Ubraesch the Brawler, an adept TrMo of Nemelex Xobeh (Zig:20)
  The ghost of Polaczum the Brawler, an adept TrMo of Nemelex Xobeh (Zig:20)
  The ghost of Polaczum the Brawler, an adept TrMo of Nemelex Xobeh (Zig:27)
  The ghost of Viocziel the Brawler, an adept TrMo of Nemelex Xobeh (Zig:20)
  The ghost of Ubraesch the Brawler, an adept TrMo of Nemelex Xobeh (Zig:22)
  The ghost of Barug the Brawler, an adept TrMo of Nemelex Xobeh (Zig:22)
  The ghost of Viocziel the Brawler, an adept TrMo of Nemelex Xobeh (Zig:22)
  The ghost of Himmaryad the Brawler, an adept TrMo of Nemelex Xobeh (Zig:9)
  The ghost of Barug the Brawler, an adept TrMo of Nemelex Xobeh (Zig:27)
  The ghost of Barug the Brawler, an adept TrMo of Nemelex Xobeh (Zig:22)
  The ghost of Ubraesch the Brawler, an adept TrMo of Nemelex Xobeh (Zig:20)
  The ghost of Barug the Brawler, an adept TrMo of Nemelex Xobeh (Zig:20)
  The ghost of Himmaryad the Brawler, an adept TrMo of Nemelex Xobeh (Zig:20)
  The ghost of Polaczum the Brawler, an adept TrMo of Nemelex Xobeh (Zig:22)
  The ghost of Himmaryad the Brawler, an adept TrMo of Nemelex Xobeh (Zig:22)
  The ghost of Viocziel the Brawler, an adept TrMo of Nemelex Xobeh (Zig:27)
  The ghost of Ubraesch the Brawler, an adept TrMo of Nemelex Xobeh (Zig:22)
  The ghost of Ubraesch the Brawler, an adept TrMo of Nemelex Xobeh (Zig:22)
  The ghost of Polaczum the Brawler, an adept TrMo of Nemelex Xobeh (Zig:27)
  The ghost of Viocziel the Brawler, an adept TrMo of Nemelex Xobeh (Zig:27)
  The ghost of Viocziel the Brawler, an adept TrMo of Nemelex Xobeh (Zig:27)
  The ghost of Amikeex the Brawler, an adept TrMo of Nemelex Xobeh (Zig:27)
  The ghost of Polaczum the Brawler, an adept TrMo of Nemelex Xobeh (Zig:27)
  The ghost of Ubraesch the Brawler, an adept TrMo of Nemelex Xobeh (Zig:22)
  The ghost of Amikeex the Brawler, an adept TrMo of Nemelex Xobeh (Zig:9)
  The ghost of Viocziel the Brawler, an adept TrMo of Nemelex Xobeh (Zig:22)
  The ghost of Barug the Brawler, an adept TrMo of Nemelex Xobeh (Zig:20)
  The ghost of Viocziel the Brawler, an adept TrMo of Nemelex Xobeh (Zig:20)
  The ghost of Himmaryad the Brawler, an adept TrMo of Nemelex Xobeh (Zig:22)
  The ghost of Amikeex the Brawler, an adept TrMo of Nemelex Xobeh (Zig:22)
  The ghost of Viocziel the Brawler, an adept TrMo of Nemelex Xobeh (Zig:22)
  The ghost of Amikeex the Brawler, an adept TrMo of Nemelex Xobeh (Zig:22)
  The ghost of Viocziel the Brawler, an adept TrMo of Nemelex Xobeh (Zig:27)
  The ghost of Ubraesch the Brawler, an adept TrMo of Nemelex Xobeh (Zig:20)
  The ghost of Polaczum the Brawler, an adept TrMo of Nemelex Xobeh (Zig:22)
  The ghost of Himmaryad the Brawler, an adept TrMo of Nemelex Xobeh (Zig:22)
  The ghost of Amikeex the Brawler, an adept TrMo of Nemelex Xobeh (Zig:22)
  The ghost of Ubraesch the Brawler, an adept TrMo of Nemelex Xobeh (Zig:27)
  The ghost of Amikeex the Brawler, an adept TrMo of Nemelex Xobeh (Zig:27)
  The ghost of Polaczum the Brawler, an adept TrMo of Nemelex Xobeh (Zig:9)
  The ghost of Ubraesch the Brawler, an adept TrMo of Nemelex Xobeh (Zig:27)
  The ghost of Polaczum the Brawler, an adept TrMo of Nemelex Xobeh (Zig:27)
  The ghost of Ubraesch the Brawler, an adept TrMo of Nemelex Xobeh (Zig:27)
  The ghost of Amikeex the Brawler, an adept TrMo of Nemelex Xobeh (Zig:27)
  The ghost of Barug the Brawler, an adept TrMo of Nemelex Xobeh (Zig:27)
  The ghost of Ubraesch the Brawler, an adept TrMo of Nemelex Xobeh (Zig:27)
  The ghost of Amikeex the Brawler, an adept TrMo of Nemelex Xobeh (Zig:16)
  The ghost of Amikeex the Brawler, an adept TrMo of Nemelex Xobeh (Zig:27)
  The ghost of Viocziel the Brawler, an adept TrMo of Nemelex Xobeh (Zig:27)
  The ghost of Barug the Brawler, an adept TrMo of Nemelex Xobeh (Zig:16)
  The ghost of Amikeex the Brawler, an adept TrMo of Nemelex Xobeh (Zig:16)
  The ghost of Himmaryad the Brawler, an adept TrMo of Nemelex Xobeh (Zig:27)
  The ghost of Amikeex the Brawler, an adept TrMo of Nemelex Xobeh (Zig:20)
  The ghost of Ubraesch the Brawler, an adept TrMo of Nemelex Xobeh (Zig:27)
  The ghost of Barug the Brawler, an adept TrMo of Nemelex Xobeh (Zig:22)
  The ghost of Barug the Brawler, an adept TrMo of Nemelex Xobeh (Zig:27)
  The ghost of Polaczum the Brawler, an adept TrMo of Nemelex Xobeh (Zig:8)
  The ghost of Ubraesch the Brawler, an adept TrMo of Nemelex Xobeh (Zig:8)
  The ghost of Barug the Brawler, an adept TrMo of Nemelex Xobeh (Zig:27)
  The ghost of Amikeex the Brawler, an adept TrMo of Nemelex Xobeh (Zig:18)
  The ghost of Barug the Brawler, an adept TrMo of Nemelex Xobeh (Zig:27)
  The ghost of Amikeex the Brawler, an adept TrMo of Nemelex Xobeh (Zig:27)
  The ghost of Polaczum the Brawler, an adept TrMo of Nemelex Xobeh (Zig:27)
  The ghost of Polaczum the Brawler, an adept TrMo of Nemelex Xobeh (Zig:27)
  The ghost of Barug the Brawler, an adept TrMo of Nemelex Xobeh (Zig:27)
  The ghost of Viocziel the Brawler, an adept TrMo of Nemelex Xobeh (Zig:27)
  52 shadow dragons (shapeshifter)
  38 thorn hunters
  623 daevas
  Ilsuiw (Shoals:3)
  1080 draconian monks
  419 storm dragons
  270 tengu reavers
  7 storm dragons (shapeshifter)
  1277 revenants
  792 narguns
  51 fenstrider witches (shapeshifter)
  26 fenstrider witches
  35 azure jellies (shapeshifter)
  2615 nagarajas
  1025 rockslimes
  1422 draconian knights
  602 demonspawn warmongers
  213 deep elf sorcerers
  694 fire giants
  711 frost giants
  1906 balrugs
  652 azure jellies
  364 quicksilver elementals
  Aizul (Shoals:3)
  234 vault wardens
  48 juggernaut zombies
  1258 draconian scorchers
  5 emperor scorpions (shapeshifter)
  Louise (Shoals:2)
  17 ghost moths (shapeshifter)
  16 spectral juggernauts
  59 caustic shrike zombies
  An imperial myrmidon (Desolation)
  1353 emperor scorpions
  6 shard shrike simulacra
  10 iron dragons (shapeshifter)
  5 spectral caustic shrikes
  55 fire giants (shapeshifter)
  245 angels
  534 iron dragons
  61 deep elf elementalists
  2212 ghost moths
  1005 curse skulls
  107 ghouls
  1055 draconian shifters
  46 frost giants (shapeshifter)
  129 ironbound preservers
  1117 draconian stormcallers
  64 juggernaut skeletons
  1551 orc warlords
  625 reapers
  10 quicksilver oozes (shapeshifter)
  665 demonspawn blood saints
  6 spriggan defenders
  788 war gargoyles
  1239 draconian annihilators
  107 broodmothers
  A starflower (Abyss:5)
  1519 demonspawn corrupters
  472 cacodemons
  9 broodmothers (shapeshifter)
  470 very ugly things
  558 quicksilver oozes
  54 caustic shrike skeletons
  7 ironbound thunderhulks
  52 stone giants (shapeshifter)
  443 green draconians
  209 ophanim
  146 eleionomae
  1105 stone giants
  419 black draconians
  438 vampire knights
  15 elemental wellsprings
  406 lorocyprocas
  A red draconian (shapeshifter) (Zig:19)
  180 apis
  757 demonspawn black suns
  324 spark wasps
  694 deep elf annihilators
  461 purple draconians
  9 spectral titans
  264 putrid mouths
  593 deep elf demonologists
  39 eleionomae (shapeshifter)
  13 minotaurs (shapeshifter)
  A halazid warlock (Desolation)
  Snorg (Lair:4)
  411 red draconians
  450 white draconians
  453 yellow draconians
  144 bunyips
  44 dire elephants (shapeshifter)
  A minotaur (Gauntlet)
  12 spark wasps (shapeshifter)
  335 dire elephants
  A yellow draconian (shapeshifter) (Zig:25)
  763 wendigos
  1578 starcursed masses
  632 bennus
  11 bunyips (shapeshifter)
  760 eidola
  6 ettins (shapeshifter)
  399 deep elf death magi
  1318 blizzard demons
  506 iron golems
  336 ettins
  139 merfolk impalers
  1480 shambling mangroves
  160 crystal guardians
  1078 mummy priests
  9 spectral golden dragons
  958 merfolk javelineers
  A spectral fenstrider witch (Tar:2)
  1333 green deaths
  24 quicksilver dragon zombies
  53 vault guards
  11 entropy weavers (shapeshifter)
  6 spectral quicksilver dragons
  1069 deep elf high priests
  5 fire dragons (shapeshifter)
  The ghost of howech the Stickfighter, a journeyman MiGl of Ashenzari (D:10)
  212 fire dragons
  9 great orbs of eyes (shapeshifter)
  244 great orbs of eyes
  5 spectral spriggans
  26 rakshasas
  89 jiangshi
  13 ice dragons (shapeshifter)
  11 ragged hierophants (Desolation)
  1488 entropy weavers
  29 caustic shrike simulacra
  51 spriggan skeletons
  11 spectral shadow dragons
  2 kraken zombies (Hell)
  392 hell beasts
  7 hydras (shapeshifter)
  15 catoblepae (shapeshifter)
  4 peacekeepers (Desolation)
  312 ice dragons
  44 merfolk avatars
  267 yaktaur captains
  8 spectral tengu
  1188 hydras
  105 stokers
  274 anacondas
  1848 salamander tyrants
  14 quicksilver dragon skeletons
  13 radroaches (shapeshifter)
  6 ironbound frosthearts
  34 juggernaut simulacra
  41 anacondas (shapeshifter)
  7 servants of whispers (Desolation)
  106 centaur warriors
  237 ghost crabs
  67 ogre magi
  13 spectral sphinxes
  41 alligator snapping turtles (shapeshifter)
  155 alligator snapping turtles
  534 catoblepae
  2 demonspawn (Orc:2)
  121 jorogumos
  1442 merfolk aquamancers
  1396 dancing weapons
  A spectral frost giant (Zig:8)
  354 spriggan air magi
  3 death knights
  134 boulder beetles
  A fenstrider witch skeleton (Crypt:3)
  9 alligators (shapeshifter)
  2 spectral fire giants (Zig:8)
  208 hell hogs
  354 naga warriors
  7 boulder beetles (shapeshifter)
  169 radroaches
  127 alligators
  55 two-headed ogres
  38 two-headed ogres (shapeshifter)
  12 deep troll shamans
  14 jorogumos (shapeshifter)
  3 death yaks (shapeshifter)
  483 death scarabs
  27 deep troll earth magi
  7 satyrs (shapeshifter)
  22 spriggan berserkers
  An azure jelly zombie (Crypt:2)
  42 titan zombies
  38 shock serpents (shapeshifter)
  26 death yaks
  113 satyrs
  543 vampire magi
  236 hell knights
  9 tengu warriors
  A spectral dire elephant (Tar:5)
  356 thrashing horrors
  9 spectral storm dragons
  Urug (D:12)
  28 skysharks
  1634 orc high priests
  159 sun demons
  620 shock serpents
  938 deep elf knights
  624 naga sharpshooters
  361 soul eaters
  325 iron trolls
  1264 wretched stars
  264 crystal echidnas
  26 fire crabs
  285 shadow wraiths
  256 sixfirhies
  A spectral spark wasp (Zig:8)
  117 salamander mystics
  304 pharaoh ants
  44 iron trolls (shapeshifter)
  136 spatial maelstroms
  52 storm dragon zombies
  Lodul (D:13)
  14 fire crabs (shapeshifter)
  797 large abominations
  44 sea snakes (shapeshifter)
  217 cherubim
  11 goliath frogs (shapeshifter)
  41 storm dragon skeletons
  40 titan skeletons
  37 golden dragon zombies
  31 skysharks (shapeshifter)
  4 spark wasp zombies
  139 glowing orange brains
  97 goliath frogs
  14 quicksilver dragon simulacra
  14 skeletal warriors
  32 death drakes (shapeshifter)
  788 death drakes
  72 sun moths
  319 flayed ghosts
  45 deep trolls (shapeshifter)
  41 deep trolls
  406 shadow demons
  143 sea snakes
  48 swamp dragons (shapeshifter)
  A kraken simulacrum (Hell)
  698 spriggan druids
  889 deep elf archers
  27 spriggan simulacra
  27 steelbarb worms (shapeshifter)
  50 glowing orange brains (shapeshifter)
  124 ironbound convokers
  789 swamp dragons
  46 orange crystal statues
  56 wizards
  64 golden dragon skeletons
  50 lindwurms (shapeshifter)
  44 orb spiders (shapeshifter)
  359 phantasmal warriors
  42 sphinx zombies
  6 spectral iron dragons
  1332 orb spiders
  220 mana vipers
  241 naga ritualists
  15 lindwurms
  61 bog bodies
  1355 deep elf pyromancers
  Pikel (D:7)
  350 orc knights
  7 harpies (shapeshifter)
  54 obsidian statues
  241 steelbarb worms
  32 mana vipers (shapeshifter)
  39 shadow dragon zombies
  51 shadow dragon skeletons
  6 spectral wolf spiders (Spider:1)
  248 ugly things
  10 glowing shapeshifters
  194 harpies
  4 wolf spider zombies (Spider:1)
  1416 deep elf zephyrmancers
  54 tengu skeletons
  67 necromancers
  159 manticores
  3 stone giant zombies
  125 oklob plants
  44 cyclopes (shapeshifter)
  7 human zombies
  139 will-o-the-wisps
  42 wolf spiders (shapeshifter)
  9 fire giant zombies
  380 shining eyes
  620 orc sorcerers
  41 shining eyes (shapeshifter)
  44 moths of wrath (shapeshifter)
  47 worldbinders
  394 wolf spiders
  239 cyclopes
  41 iron dragon zombies
  9 frost giant zombies
  46 elephants (shapeshifter)
  36 fauns (shapeshifter)
  40 manticores (shapeshifter)
  153 fauns
  2 dire elephant zombies
  13 frost giant skeletons
  45 iron dragon skeletons
  13 salamanders (shapeshifter)
  2 naga zombies
  32 sphinx skeletons
  A stone giant skeleton (Vaults:4)
  173 eyes of devastation
  77 merfolk sirens
  1113 moths of wrath
  463 apocalypse crabs
  120 salamanders
  1137 black mambas
  5 toenail golems
  574 guardian serpents
  49 ice statues
  1502 torpor snails
  8 black mambas (shapeshifter)
  A centaur zombie (Crypt:1)
  26 guardian serpents (shapeshifter)
  2 demonspawn zombies (WizLab)
  41 elephants
  117 vault sentinels
  38 water nymphs (shapeshifter)
  9 fire giant skeletons
  1311 water nymphs
  4 molten gargoyles
  69 rust devils
  580 smoke demons
  34 gargoyles
  40 torpor snails (shapeshifter)
  Maggie (D:6)
  139 cane toads
  36 eyes of devastation (shapeshifter)
  23 storm dragon simulacra
  296 demonic crawlers
  609 naga magi
  1027 hellions
  2 centaur skeletons
  A minotaur zombie (Crypt:3)
  A naga skeleton (Crypt:3)
  37 titan simulacra
  221 orange demons
  48 spriggan zombies
  A kobold demonologist (D:12)
  An anaconda simulacrum (Coc:4)
  1010 tormentors
  10 cane toads (shapeshifter)
  17 komodo dragons (shapeshifter)
  An unseen horror zombie (Crypt:2)
  16 unseen horrors (shapeshifter)
  6 rime drakes (shapeshifter)
  151 rime drakes
  32 golden dragon simulacra
  91 komodo dragons
  63 yaktaurs
  4 spark wasp simulacra
  105 freezing wraiths
  9 spectral glowing shapeshifters
  1887 guardian mummies
  A spectral naga (Tar:5)
  14 yaktaurs (shapeshifter)
  53 efreet
  155 ice devils
  A catoblepas skeleton (Crypt:3)
  2 spectral harpies
  372 trolls
  403 ancient zymes
  7 tengu conjurers
  52 silent spectres
  54 bloated husks
  2 harpy zombies
  A queen bee (Lair:3)
  46 merfolk (shapeshifter)
  136 red devils
  521 merfolk
  Grinder (D:3)
  16 meliai (shapeshifter)
  66 meliai
  7 queen bees (shapeshifter)
  16 trolls (shapeshifter)
  A grey draconian skeleton (Crypt:3)
  7 polar bears (shapeshifter)
  52 saltlings (Desolation)
  A wolf spider simulacrum (Spider:1)
  8 hornets (shapeshifter)
  2 alligator zombies (Hell)
  98 tyrant leeches
  118 wind drakes
  33 polar bears
  12 tyrant leeches (shapeshifter)
  3 hydra skeletons (Hell)
  224 hellwings
  7 raiju (shapeshifter)
  2 ettin zombies
  28 shadow dragon simulacra
  33 tengu simulacra
  22 sphinx simulacra
  19 wind drakes (shapeshifter)
  256 tarantellas
  118 snapping turtles
  258 raiju
  2 deep troll zombies
  2250 hornets
  A human simulacrum (Vaults:3)
  17 dream sheep
  52 blink frogs
  2 harpy skeletons (Pan)
  7 blink frogs (shapeshifter)
  43 dream sheep (shapeshifter)
  16 tarantellas (shapeshifter)
  A fire giant simulacrum (Zig:9)
  36 iron dragon simulacra
  27 jumping spiders (shapeshifter)
  5 frost giant simulacra
  37 snapping turtles (shapeshifter)
  30 slime creatures (shapeshifter)
  A meliai zombie (Crypt:2)
  A stone giant simulacrum (Zig:4)
  214 jumping spiders
  449 water elementals
  307 ynoxinuls
  11 spriggans (shapeshifter)
  438 air elementals
  774 flying skulls
  100 spriggans
  8 vampires
  10 shadows
  205 culicivoras
  4 wyverns (shapeshifter)
  9 yaks (shapeshifter)
  14 culicivoras (shapeshifter)
  3 shapeshifters
  1342 slime creatures
  27 wraiths
  2 centaur simulacra
  126 yaks
  A black mamba zombie (Crypt:1)
  33 basilisks
  6 ettin skeletons
  2 black mamba skeletons (Pan)
  2 alligator skeletons (Hell)
  818 ushabtiu
  2 fire bats (Gauntlet)
  350 fire elementals
  40 wyverns
  54 redbacks (shapeshifter)
  A fire bat (shapeshifter) (Zig:25)
  8 golden eyes (shapeshifter)
  6 hogs (Lair:4)
  8 basilisks (shapeshifter)
  302 chaos spawn
  6 hogs (shapeshifter)
  170 golden eyes
  333 redbacks
  24 vampire mosquitoes
  421 neqoxecs
  17 spatial vortices
  45 glowing shapeshifter zombies
  63 steam dragons
  420 wargs
  7 humans (shapeshifter)
  3 wargs (shapeshifter)
  2 acid dragons (shapeshifter)
  11 harpy simulacra
  398 nagas
  37 swamp worms (shapeshifter)
  Edmund (D:6)
  70 acid dragons
  54 glowing shapeshifter skeletons
  3 nagas (shapeshifter)
  A water moccasin (shapeshifter) (Zig:10)
  322 floating eyes
  39 floating eyes (shapeshifter)
  39 hell hounds
  A demonspawn skeleton (Crypt:1)
  A faun skeleton (Crypt:2)
  4 ice beasts (shapeshifter)
  A sky beast (D:7)
  155 water moccasins
  A swamp drake (shapeshifter) (Zig:23)
  79 swamp drakes
  3 sky beasts (shapeshifter)
  5 black bears
  4 human skeletons
  1750 orc warriors
  53 ice beasts
  2 ettin simulacra
  8 black bears (shapeshifter)
  824 ogres
  2 ogres (shapeshifter)
  8 boggarts
  3 tengu (shapeshifter)
  32 wolves
  41 centaurs
  16 small abominations
  13 kobold brigands
  2 lemures
  A fire crab zombie (Crypt:2)
  A komodo dragon zombie (Crypt:1)
  3 bullfrogs (shapeshifter)
  15 bullfrogs
  396 earth elementals
  3 necrophages
  2 scorpions (D:6)
  33 glowing shapeshifter simulacra
  8 gnoll sergeants
  A scorpion (shapeshifter) (Zig:23)
  A yaktaur skeleton (Crypt:1)
  A salamander skeleton (Crypt:1)
  10 wights
  A water moccasin skeleton (Crypt:3)
  3 killer bees (shapeshifter)
  14 killer bees
  6 howler monkeys
  5 electric eels
  A howler monkey (shapeshifter) (Zig:19)
  11 crimson imps
  2 jellies
  2 lava snakes
  3 iron imps
  262 orc priests
  A jelly (shapeshifter) (Zig:25)
  26 gnoll boudas
  3 hounds
  5 iguanas
  Ijyb (D:4)
  A boggart zombie (Crypt:3)
  Natasha (thrice) (D:3)
  3 iguanas (shapeshifter) (Zig:23)
  252 orc wizards
  16 hell rats
  12 lightning spires
  A nameless horror (Gauntlet)
  64 tengu zombies
  3120 mummies
  Robin (D:3)
  43 gnolls
  6 adders
  A gnoll (shapeshifter) (Zig:25)
  A river rat (shapeshifter) (Zig:18)
  2 white imps
  2 ufetubi (Abyss:3)
  A worm (shapeshifter) (Zig:25)
  An iguana skeleton (Crypt:2)
  A lava snake skeleton (Crypt:1)
  2 worms (D:4)
  2 dart slugs (D:1)
  An orc (shapeshifter) (Zig:15)
  71 orcs
  5 endoplasms
  3 giant cockroaches
  26 goblins
  21 hobgoblins
  6 jackals
  33 kobolds
  3 quokkas
  12 ball pythons
  3 bats
  6 frilled lizards
  A frilled lizard zombie (Crypt:1)
  5 rats
  A river rat skeleton (Crypt:1)
  59 ball lightnings
  4 creeping infernos
  185 fire vortices
  2 foxfires (Zig:17)
  2 lurking horrors
  67 starspawn tentacles
  10 tentacles (Hell)
168708 creatures vanquished.

Vanquished Creatures (collateral kills)
  The ghost of Vuopse the Conqueror, a legendary GnIE of Ashenzari (Zig:27)
  9 pandemonium lords
  2 orbs of fire
  A juggernaut (Zig:9)
  4 royal mummies
  4 shard shrikes
  3 Killer Klowns
  The ghost of EricTams the Hoplite, a veteran MiBe of Trog (Zig:27)
  5 golden dragons
  3 caustic shrikes (Zig:20)
  A profane servitor (Zig:24)
  2 pearl dragons
  6 Tzitzimimeh
  2 bone dragons
  3 Brimstone Fiends
  2 hellephants
  An iron giant (Zig:8)
  3 electric golems
  4 tentacled monstrosities
  6 Orb Guardians (Zot:5)
  6 Hell Sentinels
  A doom hound (Zig:24)
  A lich (Crypt:3)
  A titan (Vaults:5)
  An acid blob (Zig:18)
  6 searing wretches
  2 Executioners
  Kirke (Lair:4)
  A draconian monk (Zig:27)
  3 shadow dragons
  A revenant (Crypt:3)
  3 demonspawn warmongers
  A daeva (Zig:9)
  An angel (Zig:9)
  2 draconian shifters (Zig:18)
  8 balrugs
  A ghoul (Crypt:3)
  An ironbound preserver (Zig:10)
  3 cacodemons
  A reaper (Zig:22)
  2 stone giants
  A stone giant (shapeshifter) (Zig:15)
  3 demonspawn blood saints
  A war gargoyle (Vaults:1)
  A demonspawn corrupter (Zig:21)
  A demonspawn black sun (Zig:20)
  4 bennus
  A yellow draconian (Zot:5)
  A red draconian (Zig:25)
  A black draconian (Zig:18)
  4 dire elephants
  3 wendigos
  A purple draconian (Zig:18)
  The ghost of Irhican the Severer, a journeyman MiBe of Trog (Lair:3)
  A white draconian (Zig:17)
  2 blizzard demons
  A fire dragon (Depths:3)
  3 green deaths
  2 shambling mangroves
  A spriggan zombie (Tomb:2)
  A deep elf high priest (Zig:26)
  Erolcha (D:9)
  A centaur warrior (D:15)
  A dancing weapon (Zig:26)
  A tengu warrior (D:14)
  2 two-headed ogres
  A merfolk aquamancer (Zig:16)
  A death yak (Lair:5)
  A hell hog (Zig:19)
  An orc high priest (Orc:2)
  4 sun demons
  A soul eater (Orc:2)
  A hell knight (Zig:24)
  2 skeletal warriors (Crypt:3)
  2 wretched stars
  A spatial maelstrom (Zig:16)
  A cherub (Zig:26)
  2 orb spiders (Zig:6)
  A shadow demon (Pan)
  An orc knight (Bailey)
  A deep elf archer (D:14)
  3 deep elf zephyrmancers
  4 ugly things
  An iron dragon zombie (Vaults:3)
  A salamander (Zig:16)
  A cyclops (D:12)
  2 moths of wrath (Zot:5)
  A water nymph (Zig:16)
  Maurice (D:9)
  2 black mambas (Lair:4)
  A yaktaur zombie (Vaults:3)
  A guardian mummy (Crypt:3)
  An efreet (D:13)
  2 hornets
  A polar bear (Lair:4)
  3 wolf spider simulacra (Spider:1)
  2 blink frogs (Lair:4)
  3 dream sheep (Lair:4)
  10 slime creatures
  A shadow (Gauntlet)
  A water elemental (D:10)
  A ynoxinul (D:10)
  8 yaks
  A hog (Lair:4)
  3 starcursed masses (Abyss:3)
  A steam dragon (D:7)
  A fire elemental (Zig:26)
  A chaos spawn (Pan)
  Menkaure (D:4)
  A harpy simulacrum (Coc:3)
  A vampire mosquito (D:12)
  2 water moccasins (Lair:4)
  2 large abominations
  A black bear (D:6)
  5 orc warriors
  A swamp drake (Zig:21)
  An ice beast (D:6)
  An ogre (D:7)
  A centaur (D:10)
  2 kobold brigands
  2 bullfrogs
  An earth elemental (Zig:27)
  A gnoll sergeant (D:8)
  9 wights
  A killer bee (D:9)
  2 howler monkeys
  2 jellies (D:6)
  A sleepcap (D:6)
  3 gnolls
  A white imp (D:6)
  A worm (D:4)
  10 orcs
  2 endoplasms (D:6)
  A goblin (Bailey)
  4 hobgoblins
  7 kobolds
  2 fire vortices
298 creatures vanquished.

Vanquished Creatures (others)
  The ghost of Vuopse the Conqueror, a legendary GnIE of Ashenzari (Zig:22)
  The ghost of Xiwu the Conqueror, a legendary MiFi of the Shining One (Zig:27)
  The ghost of Diezoyro the Conqueror, a legendary DDNe of Makhleb (Zig:22)
  The ghost of swap the Archmage, a legendary DEFE of Vehumet (Zig:22)
  4 ancient liches
  2 dread liches
  The ghost of ragingrage the Ruinous, a legendary OpFE of Vehumet (Zig:20)
  The ghost of Boduf the Metallomancer, a legendary FoHu of Cheibriados (Zig:20)
  An orb of fire (Zot:5)
  The ghost of deprived the Acolyte, a legendary HOFi of the Shining One (Zig:27)
  The ghost of sleeves the Acolyte, a legendary HuSk of the Shining One (Zig:22)
  The ghost of GlasyaLabolas the Conqueror, a legendary MiFi of Dithmenos (Zig:20)
  The ghost of Fouwomub the Sorcerer, a legendary FoEE of Vehumet (Zig:20)
  The ghost of Veodywke the Conqueror, a legendary MiBe of the Shining One (Zig:22)
  The ghost of Shayle the Sluggish Gnoll, a legendary GnHW of Cheibriados (Zig:22)
  The ghost of strangelove the Metallomancer, a master GrEE of Vehumet (Zig:22)
  The ghost of Likado the Gnoll Barricade, a legendary GnSk of the Shining One (Zig:14)
  The ghost of Totuz the Messenger, a legendary HOFi of Beogh (Zig:20)
  The ghost of runemage the Impregnable, a legendary GnFi of Gozag (Zig:22)
  The ghost of runemage the Impregnable, a legendary GnFi of Gozag (Zig:20)
  The ghost of Denobboc the Imperceptible, a legendary OpMo of Jiyva (Zig:14)
  The ghost of MrChinwatt the Slayer, a legendary DsWn of Qazlal (Zig:22)
  The ghost of Fueng the Anchorite, a legendary HOFi of Zin (Zig:20)
  The ghost of Xaowkis the Impregnable, a legendary GnWr of Cheibriados (Zig:22)
  The ghost of Wammos the Grand Master, a legendary TeCj of Cheibriados (Zig:27)
  The ghost of Alysiarr the Cutthroat, a legendary KoHu of Okawaru (Zig:22)
  The ghost of stevelinton the Ninja, a legendary KoBe of Trog (Zig:20)
  The ghost of xzight the Conqueror, a legendary MiBe of Trog (Zig:27)
  The ghost of thechecker02 the Impregnable, a legendary DDFi of Makhleb (Zig:22)
  The ghost of Viugiw the Slayer, a legendary TeBe of the Shining One (Zig:20)
  The ghost of BoringLoser the Acrobat, a veteran TeAE of Ru (Zig:20)
  The ghost of BoringLoser the Acrobat, a veteran TeAE of Ru (Zig:16)
  142 pandemonium lords
  49 Killer Klowns
  The ghost of Piginabag the Questioner, a veteran GnMo of Ru (Zig:22)
  The ghost of Piginabag the Questioner, a veteran GnMo of Ru (Zig:27)
  The ghost of Gucom the Sluggish Gnoll, a veteran GnFi of Cheibriados (Zig:22)
  The ghost of lmSkywalker the Warrior, an adept DrTm of Okawaru (Zig:22)
  The ghost of Qatinlae the Archmage, a veteran DEFE of Sif Muna (Zig:22)
  The ghost of Pusocauss the Warrior, a legendary VSBe of Trog (Zig:22)
  The ghost of EricTams the Hoplite, a veteran MiBe of Trog (Zig:22)
  2 caustic shrikes
  The ghost of Janeylunn the Struggler, a veteran GnWn of Okawaru (Zig:22)
  The ghost of Anafel the Impregnable, a legendary GrFi of the Shining One (Zig:27)
  2 curse toes (Zig:14)
  The ghost of Gemnonof the Warrior, an adept DgCj (Zig:22)
  A bone dragon (Zig:25)
  15 golden dragons
  3 Tzitzimimeh
  An iron giant (Zig:16)
  3 Brimstone Fiends
  The ghost of Xutext the Spry, an adept DsAK of Lugonu (Zig:27)
  An electric golem (Zot:5)
  8 Ice Fiends
  6 Orb Guardians (Zot:5)
  A lich (Zig:11)
  The ghost of Zeph the Severer, an adept NaFi of Cheibriados (Zig:14)
  34 tentacled monstrosities
  4 Hell Sentinels
  A titan (Zig:13)
  A quicksilver dragon (Zot:5)
  4 quicksilver dragons (shapeshifter)
  A titan (shapeshifter) (Zig:18)
  3 acid blobs (shapeshifter) (Zig:23)
  5 sphinxes (shapeshifter)
  A storm dragon (Zig:24)
  2 deep elf master archers
  7 Executioners
  The ghost of Polaczum the Brawler, an adept TrMo of Nemelex Xobeh (Zig:22)
  The ghost of Viocziel the Brawler, an adept TrMo of Nemelex Xobeh (Zig:27)
  The ghost of Ubraesch the Brawler, an adept TrMo of Nemelex Xobeh (Zig:22)
  4 shadow dragons (shapeshifter)
  A thorn hunter (Zig:20)
  A tengu reaver (Zig:15)
  3 eldritch tentacles
  4 shadow dragons
  8 revenants
  5 fenstrider witches (shapeshifter)
  4 azure jellies (shapeshifter)
  A nagaraja (Zig:22)
  A rockslime (shapeshifter) (Zig:25)
  4 draconian knights
  A draconian scorcher (Zig:25)
  4 fire giants (shapeshifter)
  An emperor scorpion (Zig:27)
  A frost giant (Zig:19)
  2 narguns
  3 fire giants
  4 demonspawn warmongers
  2 frost giants (shapeshifter)
  3 ghost moths (shapeshifter)
  An emperor scorpion (shapeshifter) (Zig:23)
  4 ghost moths
  2 draconian stormcallers (Zot:5)
  3 reapers
  2 demonspawn corrupters (Zig:19)
  7 cacodemons
  3 draconian annihilators
  6 demonspawn blood saints
  A stone giant (Zig:26)
  A draconian shifter (Zot:5)
  42 very ugly things
  3 quicksilver oozes (shapeshifter)
  A war gargoyle (Zig:13)
  A deep elf demonologist (Zig:15)
  A green draconian (Zot:5)
  3 lorocyprocas
  A stone giant (shapeshifter) (Zig:25)
  9 demonspawn black suns
  5 eleionomae (shapeshifter)
  A red draconian (Zig:21)
  2 bunyips
  3 eleionomae
  5 deep elf annihilators
  A wendigo (Zig:19)
  6 deep elf death magi
  A dire elephant (Zig:19)
  A bunyip (shapeshifter) (Zig:23)
  4 dire elephants (shapeshifter)
  2 minotaurs (shapeshifter) (Zig:23)
  A merfolk javelineer (Zig:24)
  10 eidola
  5 blizzard demons
  2 ettins (shapeshifter)
  7 green deaths
  A rakshasa (Pan)
  7 shambling mangroves
  A great orb of eyes (shapeshifter) (Zig:19)
  A deep elf high priest (Zig:27)
  A hydra (shapeshifter) (Zig:23)
  5 hydras
  6 caustic shrike simulacra
  10 ghost crabs
  A hell beast (Zig:19)
  A jorogumo (shapeshifter) (Zig:15)
  3 juggernaut simulacra
  An anaconda (shapeshifter) (Zig:19)
  2 merfolk aquamancers
  3 dancing weapons
  A two-headed ogre (shapeshifter) (Zig:23)
  6 alligator snapping turtles (shapeshifter)
  A thrashing horror (Zig:18)
  2 death yaks (shapeshifter)
  8 soul eaters
  A spriggan (Zig:8)
  A deep elf knight (Zig:8)
  2 wretched stars
  3 sixfirhies
  4 death drakes
  3 goliath frogs (shapeshifter)
  2 spriggan druids
  2 iron trolls (shapeshifter)
  3 quicksilver dragon simulacra
  A pharaoh ant (Zig:23)
  3 large abominations
  A shadow demon (Zig:15)
  A deep troll (shapeshifter) (Zig:27)
  A death drake (shapeshifter) (Zig:24)
  3 swamp dragons
  A sea snake (shapeshifter) (Zig:19)
  A spriggan simulacrum (Zig:26)
  A swamp dragon (shapeshifter) (Zig:23)
  2 deep elf archers
  2 glowing orange brains (shapeshifter)
  An orange crystal statue (Zig:1)
  A steelbarb worm (shapeshifter) (Zig:18)
  2 orb spiders (shapeshifter) (Zig:23)
  6 phantasmal warriors
  A mana viper (shapeshifter) (Zig:19)
  A harpy (Zig:21)
  A deep elf zephyrmancer (Zig:17)
  3 deep elf pyromancers
  26 ugly things
  2 shining eyes (shapeshifter)
  5 will-o-the-wisps
  A wolf spider (shapeshifter) (Zig:19)
  A moth of wrath (Zot:5)
  A moth of wrath (shapeshifter) (Zig:19)
  A vault sentinel (Vaults:5)
  2 water nymphs
  An elephant (shapeshifter) (Zig:19)
  2 smoke demons
  A water nymph (shapeshifter) (Zig:21)
  46 apocalypse crabs
  An eye of devastation (shapeshifter) (Zig:21)
  A gargoyle (Zig:19)
  A naga mage (Zig:27)
  A demonic crawler (Pan)
  2 storm dragon simulacra
  A cane toad (shapeshifter) (Zig:23)
  A titan simulacrum (Zig:27)
  A torpor snail (shapeshifter) (Zig:14)
  A komodo dragon (shapeshifter) (Zig:23)
  A hellion (Zig:12)
  A spark wasp simulacrum (Zig:7)
  A rime drake (Zig:5)
  3 tormentors
  A merfolk (shapeshifter) (Zig:19)
  2 golden dragon simulacra
  A meliai (shapeshifter) (Zig:25)
  2 tengu simulacra (Zig:20)
  A wind drake (shapeshifter) (Zig:23)
  3 shadow dragon simulacra
  A tyrant leech (shapeshifter) (Zig:21)
  3 bloated husks
  A sphinx simulacrum (Zig:27)
  A tarantella (shapeshifter) (Zig:23)
  21 hornets
  A blink frog (shapeshifter) (Zig:19)
  2 iron dragon simulacra
  2 snapping turtles (shapeshifter)
  A dream sheep (shapeshifter) (Zig:26)
  2 jumping spiders (shapeshifter)
  A vampire (Zig:18)
  11 air elementals
  2 wyverns (Zig:25)
  2 slime creatures (shapeshifter)
  3 ynoxinuls
  15 water elementals
  2 fire elementals
  A yak (shapeshifter) (Zig:19)
  A basilisk (shapeshifter) (Zig:23)
  A steam dragon (Zig:25)
  2 redbacks (shapeshifter)
  2 neqoxecs
  An alligator snapping turtle simulacrum (Coc:3)
  28 chaos spawn
  A steam dragon (shapeshifter) (Zig:23)
  2 harpy simulacra
  A vampire mosquito (Zig:21)
  3 swamp worms (shapeshifter)
  A hydra simulacrum (Coc:3)
  2 water moccasins (shapeshifter)
  5 floating eyes (shapeshifter)
  A swamp drake (Zig:20)
  A black bear (shapeshifter) (Zig:25)
  3 earth elementals
  2 glowing shapeshifter simulacra
  A jelly (shapeshifter) (Zig:23)
  A mummy (Zig:23)
  An adder (shapeshifter) (Zig:23)
  A worm (shapeshifter) (Zig:25)
  An orc (Vaults:5)
  A jackal (shapeshifter) (Zig:23)
  53 ball lightnings
  32 fire vortices
  68 foxfires
  3 lurking horrors
  49 starspawn tentacles
  3 tentacles (Hell)
1125 creatures vanquished.

Grand Total: 170131 creatures vanquished

Notes
Turn   | Place    | Note
-------+----------+-------------------------------------------
     0 | D:1      | shadowrider38 the Demonspawn Ice Elementalist began the
                  | quest for the Orb.
     0 | D:1      | Reached XP level 1. HP: 13/13 MP: 3/3
   426 | D:1      | Gained mutation: You are partially covered in slimy green
                  | scales. (AC +2) [demonic ancestry]
   426 | D:1      | Reached XP level 2. HP: 19/19 MP: 1/5
  1365 | D:1      | Reached XP level 3. HP: 21/24 MP: 5/7
  1388 | D:1      | Learned a level 3 spell: Ozocubu's Armour
  1392 | D:1      | Learned a level 3 spell: Frozen Ramparts
  1992 | D:2      | Reached skill level 3 in Spellcasting
  2129 | D:2      | Found a faded altar of an unknown god.
  2506 | D:3      | Noticed Grinder
  2520 | D:3      | Killed Grinder
  2521 | D:3      | Reached XP level 4. HP: 30/30 MP: 1/10
  2521 | D:3      | Reached XP level 5. HP: 35/35 MP: 1/11
  2521 | D:3      | Gained mutation: You are mostly covered in slimy green
                  | scales. (AC +3) [demonic ancestry]
  2521 | D:3      | Reached XP level 6. HP: 41/41 MP: 1/12
  3135 | D:3      | Noticed Natasha
  3224 | D:3      | Noticed Robin
  3306 | D:3      | Killed Robin
  3524 | D:3      | Killed Natasha
  3538 | D:3      | Reached skill level 6 in Ice Magic
  3675 | D:3      | Noticed Natasha
  3689 | D:3      | Killed Natasha
  3824 | D:3      | Noticed Natasha
  3838 | D:3      | Killed Natasha
  3913 | D:3      | Reached skill level 1 in Fighting
  4052 | D:3      | Found Regofepheb's Book Shoppe.
  4400 | D:3      | Found a stormy altar of Qazlal.
  4409 | D:3      | Found a blossoming altar of Fedhas.
  4601 | D:4      | Found a staircase to the Ecumenical Temple.
  4675 | Temple   | Entered the Ecumenical Temple
  4855 | Temple   | Became a worshipper of Gozag Ym Sagoz the Greedy
  4870 | D:4      | Noticed a water moccasin
  4877 | D:4      | Killed a water moccasin
  4878 | D:4      | Gained mutation: You are completely covered in slimy green
                  | scales. (AC +4, rPois) [demonic ancestry]
  4878 | D:4      | Reached XP level 7. HP: 49/49 MP: 3/13
  5054 | D:4      | Learned a level 4 spell: Summon Ice Beast
  5450 | D:4      | Reached skill level 1 in Summonings
  5953 | D:4      | Noticed Ijyb
  5968 | D:4      | Killed Ijyb
  6036 | D:4      | Found a transporter.
  6037 | D:4      | Found a transporter.
  6037 | D:4      | Noticed Twinkles's ghost (amateur HOFi)
  6062 | D:4      | Noticed Menkaure
  6071 | D:4      | Killed Menkaure
  6488 | D:5      | Entered Level 5 of the Dungeon
  6509 | D:5      | Reached skill level 3 in Fighting
  6696 | D:5      | Gained mutation: A weak demonic guardian rushes to your
                  | aid. [demonic ancestry]
  6696 | D:5      | Reached XP level 8. HP: 43/58 MP: 6/15
  7046 | D:5      | Reached skill level 3 in Summonings
  7153 | D:5      | Found a snail-covered altar of Cheibriados.
  8254 | D:6      | Reached skill level 6 in Spellcasting
  8663 | D:6      | Noticed Maggie
  8679 | D:6      | Killed Maggie
  8680 | D:6      | Gained mutation: You regenerate a little health from kills.
                  | [demonic ancestry]
  8680 | D:6      | Reached XP level 9. HP: 18/65 MP: 12/18
  9144 | D:6      | Noticed Edmund
  9190 | D:6      | Killed Edmund
  9191 | D:6      | Reached skill level 1 in Armour
 10116 | D:7      | Noticed Pikel
 10377 | D:7      | Reached skill level 9 in Ice Magic
 10386 | D:7      | Reached skill level 3 in Armour
 10474 | D:7      | Killed Pikel
 10650 | D:7      | Reached XP level 10. HP: 71/71 MP: 15/21
 11646 | D:7      | Identified the orb of Dim Light {mayhem, rElec rC- rCorr
                  | Dex-5}
 12345 | D:8      | Found an ancient bone altar of Kikubaaqudgha.
 12420 | D:8      | Found a hide-covered altar of Uskayaw.
 12863 | D:8      | Found a staircase to the Lair.
 13149 | D:8      | Found a hazy altar of Hepliaklqana.
 13576 | D:9      | Noticed a two-headed ogre
 13584 | D:9      | Killed a two-headed ogre
 13648 | D:9      | Noticed Maurice
 13656 | D:9      | Killed Maurice
 13716 | D:9      | Reached skill level 9 in Spellcasting
 13717 | D:9      | Reached skill level 6 in Summonings
 13719 | D:9      | Gained mutation: Your touch may inflict minor irresistible
                  | damage on your foes. [demonic ancestry]
 13719 | D:9      | Reached XP level 11. HP: 79/79 MP: 2/24
 13738 | D:9      | Found a flagged portal.
 13744 | Bailey   | Entered a bailey
 14030 | Bailey   | Noticed an orc knight
 14045 | Bailey   | Killed an orc knight
 14046 | Bailey   | Reached skill level 1 in Conjurations
 14046 | Bailey   | Reached skill level 1 in Air Magic
 14610 | Bailey   | Noticed an orc warlord
 14626 | Bailey   | Killed an orc warlord
 14688 | Bailey   | Gained mutation: Your touch may inflict irresistible damage
                  | on your foes. [demonic ancestry]
 14688 | Bailey   | Reached XP level 12. HP: 86/86 MP: 21/26
 14966 | D:9      | Found a staircase to the Orcish Mines.
 15469 | D:9      | Noticed Erolcha
 15805 | D:9      | Killed Erolcha
 15981 | D:10     | Entered Level 10 of the Dungeon
 16007 | D:9      | Reached skill level 6 in Conjurations
 16227 | D:3      | Bought a Trismegistus Codex for 312 gold pieces
 16233 | D:3      | Learned a level 5 spell: Freezing Cloud
 16489 | D:10     | Noticed howech's ghost (journeyman MiGl)
 16547 | D:10     | Found a runed translucent door.
 16776 | D:10     | Noticed a two-headed ogre
 16785 | D:10     | Killed a two-headed ogre
 17065 | D:10     | Identified the +3 ring mail of Virtue {Will+ Int+3}
 17232 | D:10     | Reached skill level 6 in Air Magic
 17246 | D:10     | Noticed a two-headed ogre
 17255 | D:10     | Killed a two-headed ogre
 17464 | D:10     | Found a basalt altar of Yredelemnul.
 17737 | D:10     | Killed howech's ghost
 17860 | D:10     | Got the Meditations on Scree
 17885 | D:11     | Noticed a two-headed ogre
 18327 | D:11     | Reached skill level 12 in Ice Magic
 18741 | D:11     | Identified the +6 chain mail of Dubapt {rC++ MP+9 Int-5
                  | SInv}
 18756 | D:11     | Killed a two-headed ogre
 18757 | D:11     | Reached XP level 13. HP: 76/91 MP: 4/27
 20108 | D:12     | Noticed Urug
 20120 | D:12     | Killed Urug
 21655 | D:13     | Noticed Lodul
 21661 | D:13     | Killed Lodul
 21856 | D:13     | Noticed Rupert
 21869 | D:13     | Killed Rupert
 21904 | D:13     | Found a gate leading to a gauntlet.
 21913 | Gauntlet | Entered a Gauntlet
 21913 | Gauntlet | Found a transporter.
 21913 | Gauntlet | Found a runed translucent door.
 21913 | Gauntlet | Found a transporter.
 22018 | Gauntlet | Found a runed translucent door.
 22029 | Gauntlet | Found a transporter.
 22047 | Gauntlet | Found a transporter.
 22047 | Gauntlet | Found a transporter.
 22047 | Gauntlet | Found a transporter.
 22049 | Gauntlet | Found a transporter.
 22049 | Gauntlet | Found a transporter.
 22059 | Gauntlet | Noticed a dire elephant
 22064 | Gauntlet | Found a transporter.
 22082 | Gauntlet | Found a transporter.
 22087 | Gauntlet | Noticed a blizzard demon
 22089 | Gauntlet | Found a transporter.
 22103 | Gauntlet | Found a transporter.
 22137 | Gauntlet | Found a transporter.
 22150 | Gauntlet | Found a transporter.
 22169 | Gauntlet | Valagong: hola
 22169 | Gauntlet | Valagong: nice gaunlet
 22203 | Gauntlet | shadowrider38: hiya
 22203 | Gauntlet | shadowrider38: thanks
 22203 | Gauntlet | shadowrider38: i worked very hard on it
 22207 | Gauntlet | Valagong: c;
 22454 | Gauntlet | Identified the amulet of Ifielo {Reflect Str+2 SH+5}
 22615 | Gauntlet | Noticed a minotaur
 22616 | Gauntlet | shadowrider38: whoa
 22616 | Gauntlet | shadowrider38: you werent supposed to be there
 22680 | Gauntlet | shadowrider38: dang
 22680 | Gauntlet | shadowrider38: you werent supposed to happen
 22701 | Gauntlet | Valagong: beefy mino
 22702 | Gauntlet | shadowrider38: bro doesnt wanna die
 22707 | Gauntlet | Killed a minotaur
 22708 | Gauntlet | shadowrider38: thank you
 22918 | Gauntlet | Valagong: lol
 22918 | Gauntlet | Valagong: cold resist, tower shield
 22918 | Gauntlet | shadowrider38: that is a beefy boy
 22927 | Gauntlet | Valagong: chucking silver javs at a demonspawn
 22927 | Gauntlet | Valagong: sounds fun
 22932 | Gauntlet | shadowrider38: indeed
 22941 | Gauntlet | Got Zijul's Codex of the Metallic Iceberg
 22948 | Gauntlet | Got the Almanac of Limitation
 22957 | Gauntlet | Learned a level 7 spell: Ozocubu's Refrigeration
 22964 | Gauntlet | Identified the +4 ring mail of Midsummer {-Tele Int+7}
 23510 | D:13     | Found a runed translucent door.
 23857 | D:13     | Reached skill level 6 in Fighting
 24231 | D:13     | Found an ornate altar of the Wu Jian Council.
 24913 | D:13     | shadowrider38: forgot to do lair and orc
 24913 | D:13     | shadowrider38: maybe i should do that banner
 25001 | D:14     | Gained mutation: You regenerate health from kills. [demonic
                  | ancestry]
 25001 | D:14     | Reached XP level 14. HP: 103/103 MP: 5/29
 25143 | D:14     | You fall into a shaft and drop 1 floor!
 25143 | D:15     | Entered Level 15 of the Dungeon
 25452 | D:14     | Identified a scroll of acquirement
 25453 | D:14     | Acquired the +5 kite shield of Wasted Space {Str+3 Int+3}
 25861 | D:14     | Reached skill level 1 in Shields
 26696 | D:14     | Valagong: what was dat orb
 26880 | D:14     | Valagong: i haven't seen a relic one yet
 26885 | D:14     | Valagong: oooh
 26885 | D:14     | shadowrider38: yeah
 26885 | D:14     | shadowrider38: some of them are pretty nuts
 26885 | D:14     | shadowrider38: channeling specifically
 26885 | D:14     | Valagong: cool sprite
 26885 | D:14     | shadowrider38: glad they did something about orbs
 26885 | D:14     | shadowrider38: cuz i have never used one
 26885 | D:14     | shadowrider38: ever
 26885 | D:14     | Valagong: i used the uh
 26885 | D:14     | shadowrider38: pokeball looking thing
 26885 | D:14     | Valagong: willpower one in a lugonu run
 26898 | D:14     | Valagong: fun stuff
 27008 | D:14     | shadowrider38: oh yeah
 27008 | D:14     | shadowrider38: that can be cool
 27011 | D:14     | Reached skill level 9 in Fighting
 27235 | D:14     | Reached skill level 3 in Shields
 27522 | D:14     | Found a gate to the Vaults.
 28510 | D:15     | Found a staircase to the Depths.
 28928 | D:15     | Reached skill level 12 in Spellcasting
 29281 | D:15     | Reached skill level 15 in Ice Magic
 29534 | D:15     | Found a sacrificial altar of Ru.
 29629 | D:15     | shadowrider38: meh i guess ill try it
 29629 | D:15     | shadowrider38: what could possibly go wrong
 29630 | Depths:1 | Entered Level 1 of the Depths
 29631 | Depths:1 | Valagong: ;o
 29631 | Depths:1 | Valagong: lol
 29631 | Depths:1 | shadowrider38: ya know what i value my life
 29631 | Depths:1 | shadowrider38: never mind
 29753 | Lair:1   | Entered Level 1 of the Lair of Beasts
 29754 | Lair:1   | Valagong: haha
 30616 | Lair:1   | shadowrider38: tryna get a megazig char going
 30616 | Lair:1   | shadowrider38: and i keep throwing them
 30616 | Lair:1   | Valagong: samee
 30616 | Lair:1   | shadowrider38: heh
 30616 | Lair:1   | shadowrider38: its so hard for some reason
 30947 | Lair:1   | Valagong: i just started a demonspawn up for megazig
 31036 | Lair:2   | Valagong: only got mana shield
 31041 | Lair:2   | Valagong: i have insane gear tho
 31041 | Lair:2   | shadowrider38: atp im content with only powered by death
 31041 | Lair:2   | shadowrider38: takes way too long
 31228 | Lair:2   | Gained mutation: You regenerate a lot of health from kills.
                  | [demonic ancestry]
 31228 | Lair:2   | Reached XP level 15. HP: 120/120 MP: 31/31
 31399 | Lair:2   | Valagong: still have one tier 2 mut open
 31402 | Lair:2   | Valagong: hoping for it
 31535 | Lair:2   | Valagong: the regen one
 31537 | Lair:2   | shadowrider38: yeah thats the ideal
 31556 | Lair:2   | Reached skill level 12 in Fighting
 32012 | Lair:2   | Found a hole to the Spider Nest.
 32785 | Lair:3   | Found a staircase to the Shoals.
 32831 | Lair:3   | Noticed Irhican's ghost (journeyman MiBe)
 32996 | Lair:3   | Found a transporter.
 32998 | Lair:3   | Found a transporter.
 33603 | Lair:3   | Killed Irhican's ghost
 33953 | Lair:3   | Valagong: gl getting this one going! goodnight
 34058 | Lair:4   | Found a staircase to the Slime Pits.
 34446 | Lair:4   | Identified the +9 hand axe of Sloth {heavy, rPois MP+9}
 34526 | Lair:4   | Identified the +5 hand axe "Esoj" {flame, rF+}
 34590 | Lair:4   | Noticed Snorg
 34642 | Lair:4   | Found a dark tunnel.
 34798 | Lair:4   | Killed Snorg
 34809 | Lair:4   | Noticed Kirke
 34823 | Lair:4   | Killed Kirke
 35562 | Lair:5   | Entered Level 5 of the Lair of Beasts
 39237 | Lair:5   | Identified the +4 great sword "Vuckog" {freeze, Fly Will+
                  | Dex-5}
 39336 | Lair:5   | Gained mutation: Your touch may irresistibly damage your
                  | foes and sap their willpower. [demonic ancestry]
 39336 | Lair:5   | Reached XP level 16. HP: 133/133 MP: 16/33
 39931 | Orc:1    | Entered Level 1 of the Orcish Mines
 40215 | Orc:2    | Entered Level 2 of the Orcish Mines
 42041 | Orc:2    | Found Qumpu's Distillery.
 43056 | Orc:2    | Found a staircase to the Elven Halls.
 43350 | Orc:2    | Found Birafoirr's General Store.
 43693 | Orc:2    | Bought a potion of ambrosia for 136 gold pieces
 43695 | Orc:2    | Bought a potion of heal wounds for 90 gold pieces
 43695 | Orc:2    | Bought a potion of heal wounds for 90 gold pieces
 43695 | Orc:2    | Bought a potion of haste for 180 gold pieces
 43695 | Orc:2    | Bought a potion of resistance for 180 gold pieces
 45627 | Orc:2    | Found Foataz's Antique Armour Emporium.
 45627 | Orc:2    | Found Pez Romm's Book Shoppe.
 45628 | Orc:2    | Found a one-way gate leading to the halls of Pandemonium.
 45630 | Orc:2    | Bought a twisted leather armour for 210 gold pieces
 45630 | Orc:2    | Identified the +0 leather armour of the Pink Corner {Int+2
                  | Dex+3} (You bought it in a shop on level 2 of the Orcish
                  | Mines)
 45630 | Orc:2    | Bought a shadowed robe for 171 gold pieces
 45630 | Orc:2    | Identified the +0 robe "Feos" {Str+2} (You bought it in a
                  | shop on level 2 of the Orcish Mines)
 45634 | Orc:2    | Bought a book of Alchemy for 364 gold pieces
 45640 | Orc:2    | Learned a level 5 spell: Irradiate
 45977 | Shoals:1 | Entered Level 1 of the Shoals
 46010 | Shoals:1 | Reached skill level 1 in Transmutations
 46430 | Shoals:1 | Reached skill level 3 in Transmutations
 47697 | Shoals:2 | Acquired a ring of wizardry
 47929 | Shoals:2 | Noticed Louise
 47934 | Shoals:2 | Killed Louise
 48315 | Shoals:2 | Noticed Nikola
 48324 | Shoals:2 | Reached skill level 6 in Transmutations
 48325 | Shoals:2 | Killed Nikola
 49000 | Shoals:3 | Noticed Ilsuiw
 49413 | Shoals:3 | Noticed Aizul
 49423 | Shoals:3 | Killed Aizul
 49936 | Shoals:3 | Noticed Polyphemus
 49947 | Shoals:3 | Killed Polyphemus
 50212 | Shoals:3 | Gained mutation: Your magical and physical power is
                  | slightly enhanced at high health. [demonic ancestry]
 50212 | Shoals:3 | Reached XP level 17. HP: 140/140 MP: 35/35
 50573 | Shoals:3 | Killed Ilsuiw
 50816 | Shoals:3 | Reached skill level 15 in Spellcasting
 51886 | Spider:1 | Entered Level 1 of the Spider Nest
 53308 | Spider:1 | Found a transporter.
 53321 | Spider:1 | Noticed Irreverend's ghost (adept MiFi)
 53363 | Spider:1 | Found a transporter.
 53459 | Spider:1 | Reached skill level 15 in Fighting
 54073 | Spider:2 | You fall into a shaft and drop 1 floor!
 55114 | Spider:2 | Reached skill level 6 in Shields
 57235 | Spider:3 | Reached skill level 18 in Ice Magic
 57598 | Spider:4 | Entered Level 4 of the Spider Nest
 57850 | Elf:1    | Entered Level 1 of the Elven Halls
 58801 | Elf:1    | Found Adogur's Book Boutique.
 59044 | Elf:1    | Found a shimmering blue altar of Sif Muna.
 59675 | Shoals:4 | Entered Level 4 of the Shoals
 59762 | Shoals:4 | Reached XP level 18. HP: 149/149 MP: 37/37
 59766 | Shoals:4 | Reached skill level 9 in Shields
 61109 | Shoals:4 | Identified the +4 sling "Pyimant" {elec, rElec}
 61204 | Shoals:4 | Reached skill level 3 in Dodging
 61624 | Shoals:4 | Got a barnacled rune of Zot
 63907 | Spider:4 | Identified the +5 spear of the Snake Pit {pain, SInv}
 64763 | Spider:4 | Reached skill level 1 in Evocations
 64867 | Spider:4 | Reached skill level 3 in Evocations
 65646 | Spider:4 | Got a gossamer rune of Zot
 66197 | Spider:4 | Noticed Bai Suzhen
 66214 | Spider:4 | Killed Bai Suzhen
 67035 | Vaults:1 | Entered Level 1 of the Vaults
 67330 | D:3      | Bought a book of Ice for 600 gold pieces
 67341 | D:3      | Learned a level 9 spell: Polar Vortex
 67988 | Vaults:1 | Reached XP level 19. HP: 152/155 MP: 39/39
 68004 | Vaults:1 | Reached skill level 6 in Evocations
 68816 | Vaults:1 | Reached skill level 9 in Conjurations
 69192 | Vaults:1 | Reached skill level 9 in Transmutations
 70480 | Vaults:2 | Paralysed by a great orb of eyes for 5 turns
 70561 | Vaults:2 | Reached skill level 9 in Evocations
 71368 | Vaults:2 | Found the +2 cloak of the Thief {*Fog Slay-2 SInv Stlth+}
 71488 | Vaults:2 | Identified the ring "Susug" {EV+5 SInv}
 71840 | Vaults:3 | Reached skill level 12 in Evocations
 73122 | Vaults:3 | Found a staircase to the Crypt.
 73400 | Vaults:3 | Reached XP level 20. HP: 159/160 MP: 40/40
 73418 | Vaults:3 | Found Xuonitoc's Book Shop.
 73709 | Vaults:3 | Found Savuroarch's Armour Emporium.
 73709 | Vaults:3 | Found Edogrenk's Distillery.
 73719 | Vaults:3 | Bought a +2 robe of resistance for 490 gold pieces
 74493 | Depths:1 | Found a runed translucent gate.
 74493 | Depths:1 | Found a runed translucent gate.
 74494 | Depths:1 | Found a runed translucent gate.
 74713 | Depths:1 | Found a corrupted altar of Lugonu.
 74713 | Depths:1 | Found a one-way gate to the infinite horrors of the Abyss.
 74805 | Depths:1 | Found a shimmering blue altar of Sif Muna.
 75247 | Depths:1 | Noticed Lobster4's ghost (veteran HuWn)
 75535 | Depths:1 | Found a one-way gateway to a ziggurat.
 75706 | Depths:1 | Found a gateway to Hell.
 75765 | Depths:1 | Found Xoeteul's Tiny Tomes.
 76207 | Depths:1 | Identified the +2 lajatang of Gluttony {heavy, Int+4}
 76207 | Depths:1 | Identified the ring "Woytynty" {Will+ Int+4}
 76467 | Depths:1 | Identified the +0 falchion of Mowot {holy, rPois rF++ Int-2
                  | Dex+3}
 78123 | Depths:1 | Found a blossoming altar of Fedhas.
 78841 | Depths:1 | Killed Lobster4's ghost
 78993 | Depths:1 | Identified the +0 cloak "Ysenaez" {Rampage Stlth+}
 78994 | Depths:1 | Identified the +0 pair of boots of Kigaun {Harm}
 79076 | Depths:1 | Glimpsed the power of Zot.
 79130 | Depths:1 | Found a one-way gateway to a ziggurat.
 79192 | Depths:2 | Gained mutation: Your magical and physical power is
                  | enhanced at high health. [demonic ancestry]
 79192 | Depths:2 | Reached XP level 21. HP: 87/168 MP: 40/42
 79202 | Depths:2 | Reached skill level 18 in Spellcasting
 80116 | Depths:2 | Reached skill level 21 in Ice Magic
 80966 | Depths:2 | Paralysed by a hornet for 2 turns
 81599 | Depths:2 | Identified the +11 shortbow of Fisyost {heavy, rPois Dex+2}
 82564 | Depths:3 | Noticed a juggernaut
 82575 | Depths:3 | Killed a juggernaut
 82795 | Depths:3 | Identified the +8 short sword "Weetit" {freeze, rCorr
                  | Str+3}
 83009 | Depths:3 | Found a burning altar of Makhleb.
 83194 | Depths:3 | Learned a level 6 spell: Statue Form
 83221 | Depths:3 | Reached skill level 1 in Earth Magic
 83548 | Depths:3 | Reached skill level 3 in Earth Magic
 83615 | Depths:3 | Found a runed translucent door.
 83653 | Depths:3 | Noticed the Enchantress
 83656 | Depths:3 | Identified the staff of conjuration "Fyucvick" {*Corrode
                  | rElec rPois Dex+3}
 83661 | Depths:3 | Killed the Enchantress
 83770 | Depths:3 | Found a runed translucent door.
 83980 | Depths:4 | Entered Level 4 of the Depths
 84085 | Depths:4 | Reached skill level 6 in Earth Magic
 84090 | Depths:4 | Reached XP level 22. HP: 175/175 MP: 38/44
 84286 | Depths:4 | Noticed Jory
 84293 | Depths:4 | Killed Jory
 84708 | Depths:4 | Noticed a juggernaut
 85012 | Depths:4 | Found a gate to the Realm of Zot.
 85258 | Depths:4 | Reached skill level 9 in Earth Magic
 85372 | Depths:4 | Found Perseus's Dragon-Slaying Spoils.
 86001 | Elf:2    | Found a runed translucent gate.
 86002 | Elf:2    | Found a runed translucent gate.
 86002 | Elf:2    | Found a runed translucent gate.
 86061 | Elf:2    | Found a portal to a secret trove of treasure.
 86266 | Elf:2    | Learned a level 2 spell: Passwall
 86269 | Elf:2    | Paralysed by an air elemental for 1 turns
 86304 | Elf:2    | Found a magical portal.
 86337 | WizLab   | Entered Doroklohe's Tomb
 86462 | WizLab   | Noticed a royal mummy
 86475 | WizLab   | Killed a royal mummy
 86605 | WizLab   | Acquired 712 gold pieces
 87100 | Elf:2    | Noticed Zenata
 87105 | Elf:2    | Killed Zenata
 87176 | Elf:2    | Found Cuasar's General Store.
 87194 | Elf:2    | Bought a potion of cancellation for 128 gold pieces
 87679 | Elf:2    | Paralysed by an air elemental for 1 turns
 88415 | Elf:2    | You paid a toll of a +8 demon trident to enter a treasure
                  | trove
 88416 | Trove    | Entered a treasure trove
 88423 | Trove    | Identified the +0 pair of boots "Humoetez" {-Cast rPois
                  | Slay+5}
 88426 | Trove    | Identified the +0 pair of boots of the Harvest {Will+ Int+4
                  | SInv}
 88428 | Trove    | Identified the +12 crystal plate armour of the Fisher
                  | {Rampage SInv}
 88430 | Trove    | Identified the +1 pair of boots of Leecylut {Will+ SInv
                  | Stlth+}
 88432 | Trove    | Identified the +2 hat of Entitlement {*Slow rPois Int+5}
 88434 | Trove    | Identified the +0 kite shield "Ixtytoez" {rC+}
 88436 | Trove    | Identified the +2 scale mail of the Serpent {rPois}
 88438 | Trove    | Identified the +0 chain mail of the Game of Life {*Corrode
                  | rF+ rN+}
 88440 | Trove    | Identified the +0 helmet of the Illusory Songs {Fly}
 88443 | Trove    | Identified the +0 helmet of the Many Underlurkers {-Tele
                  | rC++ rN+ Regen+ Dex+3}
 88445 | Trove    | Identified the +2 buckler of Amomuep {rPois rF+}
 88449 | Trove    | Identified the +1 hat "Xippeux" {rF+ rCorr}
 88709 | Elf:3    | Entered Level 3 of the Elven Halls
 88844 | Elf:3    | Found a runed translucent gate.
 88844 | Elf:3    | Found a runed translucent gate.
 88844 | Elf:3    | Found a runed translucent gate.
 88845 | Elf:3    | Noticed slitherrr's ghost (adept NaRe)
 88851 | Elf:3    | Found a viscous altar of Jiyva.
 89505 | Elf:3    | Killed slitherrr's ghost
 89506 | Elf:3    | Gained mutation: A demonic guardian rushes to your aid.
                  | [demonic ancestry]
 89506 | Elf:3    | Reached XP level 23. HP: 181/181 MP: 35/47
 89607 | Elf:3    | Identified the +1 halberd of Flawed Execution {flame, rF+
                  | Will+ Int-2 Dex+7}
 89640 | Elf:3    | Identified the +7 trident of Boimello {pain, rF+ rN+
                  | Stlth+}
 89658 | Elf:3    | Identified the +0 chain mail "Puetari" {Fly rC+ rN++ Dex-3}
 89684 | Elf:3    | Identified the ring "Koophay" {Drain Fly Str+3 Int+5
                  | Slay+3}
 89731 | Elf:3    | Identified the +10 mace of Jisac {freeze, Str+2 SInv}
 89918 | Elf:3    | Found the +16 obsidian axe {drain, demonic, Mesm Drain Fly
                  | SInv}
 89933 | Elf:3    | Identified the +3 spear of Ziawium {freeze, rPois rF- Will+
                  | Str+3}
 89934 | Elf:3    | Identified the +0 robe of the True Pharaoh {Str+5}
 89982 | Elf:3    | Got the Quarto of Panentheism
 90014 | Elf:3    | Identified the +11 shortbow of Ciptoi {speed, rF- Int+6}
 90431 | Slime:1  | Entered Level 1 of the Pits of Slime
 90907 | Slime:5  | Entered Level 5 of the Pits of Slime
 91422 | Slime:5  | Noticed the Royal Jelly
 91427 | Slime:5  | Reached skill level 21 in Spellcasting
 91432 | Slime:5  | Gained mutation: You are frail. (-10% HP) [a shining eye]
 91433 | Slime:5  | Gained mutation: You occasionally lose the ability to drink
                  | potions when taking damage. [a shining eye]
 91434 | Slime:5  | Killed the Royal Jelly
 91672 | Slime:5  | Identified the +0 leather armour of Uskayaw's Favour
                  | {Regen+ Str+2}
 91697 | Slime:5  | Identified the staff of conjuration "Omikk" {rElec SInv}
 91698 | Slime:5  | Identified the +8 whip of Spite {heavy, rElec Will+ Str+6}
 91703 | Slime:5  | Identified the +0 dagger "Grim" {flame, rC+ rN+ rCorr
                  | Dex-5}
 91774 | Slime:5  | Got a slimy rune of Zot
 91786 | Slime:5  | Identified the amulet of Tautuc {RegenMP Rampage Stlth+}
 92527 | Vaults:3 | Reached skill level 24 in Ice Magic
 92652 | Vaults:4 | Noticed Boris
 92750 | Vaults:4 | Noticed Mennas
 92754 | Vaults:4 | Killed Mennas
 92887 | Vaults:4 | Found a crumbling gateway.
 92895 | Desolati | Entered the Desolation of Salt
 92958 | Desolati | Gained mutation: A powerful demonic guardian rushes to your
                  | aid. [demonic ancestry]
 92958 | Desolati | Reached XP level 24. HP: 173/173 MP: 14/48
 93389 | Desolati | Got the Elucidation of Exhumation
 93400 | Desolati | Identified the +0 scale mail of the Tanner {rN+ Will+ Str+2
                  | Dex-4}
 93487 | Desolati | Identified the ring of Buplul {rPois Dex+3}
 93489 | Desolati | Identified the +6 rapier of Xumehonn {spect, Str+3 Int-3
                  | Dex+5 Stlth+}
 93531 | Desolati | Got the Annotations on Fuming Execration
 93532 | Desolati | Identified the +1 chain mail of Pynuaf {rElec MP+9 Int+5
                  | Dex-3}
 93533 | Desolati | Identified the +3 ring mail of Bufraen {rElec Str-3 Int+5}
 93879 | Vaults:4 | Found Fustaemn's Armour Emporium.
 94213 | Vaults:4 | Reached skill level 18 in Fighting
 94591 | Vaults:4 | Reached skill level 1 in Necromancy
 94705 | Vaults:4 | Killed Boris
 94778 | Vaults:5 | Entered Level 5 of the Vaults
 94781 | Vaults:5 | Reached skill level 3 in Necromancy
 94807 | Vaults:5 | Noticed Boris
 94817 | Vaults:5 | Killed Boris
 94818 | Vaults:5 | Reached skill level 6 in Necromancy
 94829 | Vaults:5 | Noticed a dread lich
 94839 | Vaults:5 | Killed a dread lich
 94863 | Vaults:5 | Noticed an ancient lich
 94868 | Vaults:5 | Killed an ancient lich
 94876 | Vaults:5 | Noticed an ancient lich
 94997 | Vaults:4 | Lost mutation: You occasionally lose the ability to drink
                  | potions when taking damage. [potion of mutation]
 94997 | Vaults:4 | Lost mutation: You are frail. (-10% HP) [potion of
                  | mutation]
 94997 | Vaults:4 | Gained mutation: You occasionally lose the ability to read
                  | scrolls when taking damage. [potion of mutation]
 94997 | Vaults:4 | Gained mutation: Your natural rate of healing is unusually
                  | fast. [potion of mutation]
 94998 | Vaults:4 | Lost mutation: Your natural rate of healing is unusually
                  | fast. [potion of mutation]
 94998 | Vaults:4 | Lost mutation: You occasionally lose the ability to read
                  | scrolls when taking damage. [potion of mutation]
 94998 | Vaults:4 | Gained mutation: You have a pair of small horns on your
                  | head. [potion of mutation]
 95069 | Vaults:5 | Killed an ancient lich
 95070 | Vaults:5 | Reached skill level 12 in Transmutations
 95071 | Vaults:5 | Noticed a dread lich
 95078 | Vaults:4 | Killed a dread lich
 95148 | Vaults:5 | Reached skill level 9 in Necromancy
 95176 | Vaults:5 | Identified the ring of Tituang {rPois Will+ EV+5 Stlth+}
 95190 | Vaults:5 | Reached XP level 25. HP: 199/204 MP: 48/48
 95689 | Vaults:5 | Identified the ring "Tapp" {rF+ rN+ Dex-4 SInv}
 95701 | Vaults:5 | Identified the +2 arbalest of Disgust {speed, Dex+3}
 95711 | Vaults:5 | Identified the amulet "Miuhebom" {Regen+ Int+3}
 95850 | Vaults:5 | Identified the +6 mace of Yesterday {freeze, Fly rF- Str+5
                  | Stlth+}
 96389 | Vaults:5 | Identified the +3 scale mail of a bazaar {SInv}
 96547 | Vaults:5 | Identified the +6 battleaxe of Grace {venom, *Corrode
                  | Int+5}
 96848 | Vaults:5 | Found the +13 scythe of Curses {drain, curses, Drain}
 96861 | Vaults:5 | Identified the +1 leather armour of the Sufficient God
                  | {Str+4}
 96863 | Vaults:5 | Identified the amulet "Olumishimuf" {RegenMP Harm rF-
                  | Regen+ Dex+6}
 96993 | Vaults:5 | Got Sif Muna's Opusculum on the Band
 97026 | Vaults:5 | Got a silver rune of Zot
 97179 | Vaults:5 | Learned a level 8 spell: Necromutation
 97431 | Depths:1 | Voluntarily entered the Abyss.
 97433 | Abyss:1  | Found a corrupted altar of Lugonu.
 97438 | Abyss:1  | Found a corrupted altar of Lugonu.
 97564 | Abyss:3  | Found a corrupted altar of Lugonu.
 97613 | Abyss:3  | Found a corrupted altar of Lugonu.
 97671 | Abyss:3  | Got an abyssal rune of Zot
 97718 | Abyss:3  | Reached skill level 12 in Necromancy
 97790 | Depths:1 | Escaped the Abyss
 98003 | Crypt:1  | Entered Level 1 of the Crypt
 98092 | Crypt:1  | Noticed Boris
 98102 | Crypt:1  | Killed Boris
 99574 | Crypt:2  | Learned a level 8 spell: Borgnjor's Revivification
 99577 | Crypt:2  | Learned a level 2 spell: Sublimation of Blood
 99582 | Crypt:2  | Learned a level 4 spell: Passage of Golubria
 99592 | Crypt:2  | Learned a level 3 spell: Vhi's Electric Charge
 99623 | Crypt:3  | Entered Level 3 of the Crypt
 99638 | Crypt:3  | Reached skill level 1 in Translocations
 99782 | Crypt:3  | Reached skill level 15 in Transmutations
 99996 | Crypt:3  | Found the +3 giant club "Skullcrusher" {speed, Str+7}
100075 | Crypt:3  | Reached skill level 3 in Translocations
100299 | Crypt:3  | Gained mutation: Your magical and physical power is greatly
                  | enhanced at high health. [demonic ancestry]
100299 | Crypt:3  | Reached XP level 26. HP: 211/211 MP: 26/48
100385 | Crypt:3  | Reached skill level 15 in Necromancy
100581 | Crypt:3  | Found a staircase to the Tomb.
100642 | Crypt:3  | Noticed Vv
100653 | Crypt:3  | Killed Vv
100749 | Crypt:3  | Found a basalt altar of Yredelemnul.
100756 | Crypt:3  | Found an ancient bone altar of Kikubaaqudgha.
100778 | Crypt:3  | Found the +0 pair of fencer's gloves {Riposte Dex+3}
100816 | Crypt:3  | Identified the staff of death "Ihakeup" {rF+ rN+ Str+4}
100817 | Crypt:3  | Identified the staff of death "Roycow" {rN+ Dex+2}
100821 | Crypt:3  | Identified the ring "Egemma Geikk" {rN+ Int+3}
100821 | Crypt:3  | Identified the amulet "Vurax" {Regen+ Dex+3}
100821 | Crypt:3  | Identified the ring "Ivaatoig" {rN+ rCorr}
101198 | Hell     | Entered the Vestibule of Hell
101198 | Hell     | Noticed Geryon
101210 | Hell     | Killed Geryon
101213 | Hell     | Noticed Murray
101222 | Hell     | Killed Murray
101377 | Hell     | Found a gateway to the ashen valley of Gehenna.
101578 | Hell     | Found a gateway to the Iron City of Dis.
101720 | Hell     | Found a gateway to the decaying netherworld of Tartarus.
101797 | Hell     | Found a gateway to the freezing wastes of Cocytus.
101813 | Hell     | Upgraded the game from 0.30.0-11-gf55b779eaf to
                  | 0.30.0-13-g156ef70053
102000 | Zig:1    | Entered Level 1 of a ziggurat
102018 | Zig:2    | Entered Level 2 of a ziggurat
102018 | Zig:2    | Noticed an orb of fire
102020 | Zig:2    | Gained mutation: You are dopey. (Int -2) [an orb of fire]
102022 | Zig:2    | Killed an orb of fire
102092 | Zig:2    | Got the Incunabulum of the Retinue and the Iceberg
102099 | Zig:3    | Entered Level 3 of a ziggurat
102099 | Zig:3    | Noticed Ukeel the pandemonium lord
102104 | Zig:3    | Killed Ukeel the pandemonium lord
102176 | Zig:4    | Entered Level 4 of a ziggurat
102179 | Zig:4    | Found the +8 arc blade {discharge, rElec}
102202 | Zig:4    | Identified the ring "Erricky" {rF+ rC+ Will+ Str+3}
102230 | Zig:5    | Entered Level 5 of a ziggurat
102266 | Zig:5    | Identified the +1 great sword of Fenunk {flame, rPois}
102286 | Zig:6    | Entered Level 6 of a ziggurat
102292 | Zig:6    | Noticed a royal mummy
102297 | Zig:6    | Killed a royal mummy
102440 | Zig:6    | Identified the ring "Seetice" {Fly Str+4 Int+4}
102451 | Zig:7    | Entered Level 7 of a ziggurat
102506 | Zig:7    | Got the Grimoire of Lava
102508 | Zig:7    | Got Elali's Book of the Traveller and Exhumation
102539 | Zig:8    | Entered Level 8 of a ziggurat
102575 | Zig:8    | Identified the ring "Tuow" {rPois rN+ Will+ MP+9 Dex+4}
102582 | Zig:8    | Identified the +8 broad axe of Biunurr {holy, *Noise rPois
                  | Dex+2}
102635 | Zig:9    | Entered Level 9 of a ziggurat
102640 | Zig:9    | Noticed a juggernaut
102643 | Zig:9    | Killed a juggernaut
102720 | Zig:9    | Reached XP level 27. HP: 224/224 MP: 48/48
102721 | Zig:9    | Reached skill level 12 in Earth Magic
102726 | Zig:10   | Entered Level 10 of a ziggurat
102733 | Zig:10   | Noticed a royal mummy
102739 | Zig:10   | Killed a royal mummy
102808 | Zig:10   | Identified the -1 buckler "Sera Ydo" {*Corrode rC+++ Str+5}
102817 | Zig:10   | Identified the +0 gold dragon scales "Zitid" {rPois rF+ rC+
                  | Str-2 Dex+8}
102843 | Zig:11   | Entered Level 11 of a ziggurat
102900 | Zig:11   | Identified the +1 pair of boots "Akuihiu" {Fly Str+3 Int+4
                  | Dex-3}
102948 | Zig:11   | Identified the ring of the Sunfish {rF+ Will+ Str+4 Stlth-}
102988 | Zig:12   | Entered Level 12 of a ziggurat
103001 | Zig:12   | Noticed a dread lich
103001 | Zig:12   | Noticed an ancient lich
103001 | Zig:12   | Noticed a dread lich
103001 | Zig:12   | Noticed a dread lich
103001 | Zig:12   | Noticed a dread lich
103004 | Zig:12   | Killed an ancient lich
103004 | Zig:12   | Killed a dread lich
103005 | Zig:12   | Killed a dread lich
103005 | Zig:12   | Killed a dread lich
103005 | Zig:12   | Killed a dread lich
103026 | Zig:12   | Identified the ring "Mideoczi" {rPois Dex+3}
103033 | Zig:12   | Identified the +6 halberd of Honour {spect, Will+ Str+3
                  | Dex-3}
103037 | Zig:12   | Identified the +8 chain mail "Kuire Dish" {rElec}
103087 | Zig:13   | Entered Level 13 of a ziggurat
103102 | Zig:13   | Noticed Tuupryja the pandemonium lord
103102 | Zig:13   | Noticed Miafashrim the pandemonium lord
103102 | Zig:13   | Noticed Judghes the pandemonium lord
103105 | Zig:13   | Killed Tuupryja the pandemonium lord
103105 | Zig:13   | Killed Judghes the pandemonium lord
103107 | Zig:13   | Killed Miafashrim the pandemonium lord
103149 | Zig:13   | Identified the +3 buckler "Ejeptioh" {Slay+5}
103153 | Zig:13   | Identified the staff of earth "Jaloxo" {rC+ Int-2 SInv}
103158 | Zig:13   | Identified the staff of cold "Kahahuusm" {Fly rC+}
103226 | Zig:14   | Entered Level 14 of a ziggurat
103241 | Zig:14   | Noticed Xotewaah the pandemonium lord
103241 | Zig:14   | Noticed Caoklud the pandemonium lord
103241 | Zig:14   | Noticed Fiubualo the pandemonium lord
103241 | Zig:14   | Found the +8 demon trident "Rift" {distort, reach+}
103242 | Zig:14   | Noticed Roevim the pandemonium lord
103244 | Zig:14   | Killed Caoklud the pandemonium lord
103244 | Zig:14   | Noticed Tatz the pandemonium lord
103245 | Zig:14   | Reached skill level 15 in Earth Magic
103245 | Zig:14   | Killed Fiubualo the pandemonium lord
103247 | Zig:14   | Found the +8 frozen axe "Frostbite" {freeze, freezing
                  | cloud, *Noise Fly rC+}
103247 | Zig:14   | Found the +8 autumn katana {manifold assault}
103250 | Zig:14   | Killed Xotewaah the pandemonium lord
103251 | Zig:14   | Killed Tatz the pandemonium lord
103251 | Zig:14   | Killed Roevim the pandemonium lord
103314 | Zig:14   | Identified the staff of fire "Ebet" {*Corrode rElec rF+
                  | Stlth+}
103379 | Zig:15   | Entered Level 15 of a ziggurat
103397 | Zig:15   | Noticed a juggernaut
103398 | Zig:15   | Noticed a juggernaut
103403 | Zig:15   | Killed a juggernaut
103403 | Zig:15   | Killed a juggernaut
103417 | Zig:15   | Learned a level 2 spell: Blink
103423 | Zig:15   | Got the Writings on the Discontinuous Retinue
103425 | Zig:15   | Identified the +2 hand axe of the Wasp {flame, Will+}
103451 | Zig:15   | Learned a level 9 spell: Shatter
103600 | Zig:16   | Entered Level 16 of a ziggurat
103614 | Zig:16   | Paralysed by a wendigo for 1 turns
103621 | Zig:16   | Found the +8 trishula "Condemnation" {holy, anguish, *Noise
                  | Fly rN+}
103692 | Zig:16   | Identified the +4 plate armour of Death's Door {-Cast Harm
                  | +Inv rN+++}
103764 | Zig:17   | Entered Level 17 of a ziggurat
103900 | Zig:17   | Identified the +1 robe of Absolutism {Contam rF+ Slay+2
                  | Archmagi}
103905 | Zig:17   | Got the Compilation of Nephomancy
103910 | Zig:17   | Identified the +1 mace "Xuecoris" {pain, +Blink}
103914 | Zig:17   | Reached skill level 18 in Earth Magic
103917 | Zig:17   | Identified the ring of Axyfy {Wiz Str+2}
103928 | Zig:17   | Identified the +6 flail "Opiged" {heavy, rPois Will+ Int+2
                  | Dex-3}
103941 | Zig:18   | Entered Level 18 of a ziggurat
103963 | Zig:18   | Noticed a juggernaut
103967 | Zig:18   | Killed a juggernaut
104034 | Zig:18   | Identified the +2 leather armour of the Game Afoot {Regen+
                  | Int+3}
104053 | Zig:18   | Identified the staff of poison "Alouje" {rPois SInv}
104054 | Zig:18   | Identified the +8 spear "Xopeppuj" {speed, rC++ Str+2 Dex+2
                  | Stlth+}
104139 | Zig:19   | Entered Level 19 of a ziggurat
104164 | Zig:19   | Reached skill level 24 in Spellcasting
104196 | Zig:19   | Identified the +8 short sword of Sefil {speed, Fly Will-
                  | Str+4}
104200 | Zig:19   | Identified the ring "Dal Asmy" {EV+5 Str+3}
104214 | Zig:19   | Identified the +1 crystal plate armour of Niloigefe {Regen+
                  | Dex+3}
104324 | Zig:20   | Entered Level 20 of a ziggurat
104386 | Zig:20   | Reached skill level 21 in Earth Magic
104461 | Zig:20   | Noticed a dread lich
104467 | Zig:20   | Killed a dread lich
104783 | Zig:20   | Identified the +4 glaive of Integrity {elec, Will+++
                  | Stlth-}
104791 | Zig:20   | Identified the staff of cold "Qyij" {rC+ Will+ MP+9}
104812 | Zig:20   | Identified the staff of earth "Sere" {rElec rPois Int-2
                  | Dex-5}
104816 | Zig:20   | Got the Meditations on Ensnaring Conjuration
104903 | Zig:21   | Entered Level 21 of a ziggurat
105082 | Zig:21   | Identified the staff of conjuration "Nogguohu" {Str+3 Dex-5
                  | SInv}
105084 | Zig:21   | Identified the +10 scimitar of Hubris {drain, Int+4}
105093 | Zig:21   | Identified the +7 ring mail "Guntyuw" {rElec rCorr Int+4}
105097 | Zig:21   | Identified the +4 scimitar "Adiun" {spect, Dex+2}
105128 | Zig:22   | Entered Level 22 of a ziggurat
105307 | Zig:22   | Identified the +4 shortbow "Ohoj" {elec, rPois}
105312 | Zig:22   | Identified the +5 dagger "Pyoghas" {spect, Will+ Int+3
                  | SInv}
105314 | Zig:22   | Identified the +1 plate armour "Aptyongewa" {Dex+4 Slay+2}
105320 | Zig:22   | Identified the +11 rapier "Isiun" {heavy, *Rage Fly rF+
                  | Will+}
105321 | Zig:22   | Identified the +3 mace of the Nexus {freeze, *Slow rC+
                  | Str+3 SInv}
105323 | Zig:22   | Identified the ring "Umot" {Drain rF+ rN+ Will+++}
105329 | Zig:22   | Identified the staff of earth "Udeoryp" {Dex+4}
105417 | Zig:23   | Entered Level 23 of a ziggurat
105438 | Zig:23   | Reached skill level 24 in Earth Magic
105591 | Zig:23   | Identified the +0 scale mail of Qazlal's Delight {+Inv
                  | rElec rF++ Int-4}
105617 | Zig:23   | Identified the staff of earth "Jorgh" {*Corrode rElec
                  | Str+3}
105622 | Zig:23   | Identified the ring of Teil Cui {Wiz rC+}
105884 | Zig:24   | Entered Level 24 of a ziggurat
105902 | Zig:24   | Noticed a dread lich
105906 | Zig:24   | Killed a dread lich
105906 | Zig:24   | Noticed an ancient lich
105907 | Zig:24   | Killed an ancient lich
105908 | Abyss:4  | Found a corrupted altar of Lugonu.
105908 | Abyss:4  | Cast into level 4 of the Abyss (profane servitor)
106015 | Zig:24   | Escaped the Abyss
106015 | Zig:24   | Noticed a dread lich
106019 | Zig:24   | Killed a dread lich
106208 | Zig:24   | Identified the +5 dagger "Duecetaet" {freeze, rPois Str+3
                  | Int+2 Stlth+}
106210 | Zig:24   | Identified the staff of cold "Jaz Wog" {rPois rF+++ rC+
                  | Int-4 Dex+3}
106222 | Zig:24   | Identified the +11 chain mail of Disaster {Contam rElec
                  | Will++ Str+3}
106229 | Zig:24   | Identified the ring "Geilonut" {Fly rElec rC- rN+}
106311 | Zig:25   | Entered Level 25 of a ziggurat
106341 | Zig:25   | Reached skill level 18 in Necromancy
106343 | Zig:25   | Reached skill level 3 in Fire Magic
106627 | Zig:25   | Identified the amulet of Xerime {Reflect +Blink SH+5}
106636 | Zig:25   | Identified the staff of death "Quasyme" {rPois rN+ Will-
                  | Dex+5}
106637 | Zig:25   | Identified the amulet "Qatouq" {Faith Harm Rampage rCorr
                  | Str-3}
106733 | Zig:26   | Entered Level 26 of a ziggurat
106756 | Zig:26   | Reached skill level 6 in Fire Magic
106770 | Zig:26   | Reached skill level 9 in Fire Magic
106990 | Zig:26   | Found the ring of the Tortoise {AC+8}
106996 | Zig:26   | Got the Catalogue of the Sky and the Fault
107002 | Zig:26   | Identified the +4 arbalest "Womnyvimm" {flame, rElec rPois
                  | Dex+6}
107003 | Zig:26   | Identified the +0 chain mail "Jixuikk" {Int+4}
107007 | Zig:26   | Identified the ring "Acyli" {rN++ Int+6 Dex-5}
107019 | Zig:26   | Learned a level 8 spell: Ignition
107026 | Zig:26   | Identified the +1 ring mail "Liuser" {rF+ Dex+3}
107028 | Zig:26   | Identified the +2 war axe of Iroud {heavy, rF++ Str-3
                  | Dex+4}
107030 | Zig:26   | Got the Folio of Beguiling and the Wayfarer
107040 | Zig:26   | Identified the +10 dagger of the Old World {heavy, Fly}
107135 | Zig:27   | Entered Level 27 of a ziggurat
107150 | Zig:27   | Paralysed by an air elemental for 1 turns
107155 | Zig:27   | Paralysed by an air elemental for 1 turns
107156 | Zig:27   | Reached skill level 12 in Fire Magic
107162 | Zig:27   | Paralysed by an air elemental for 1 turns
107416 | Zig:27   | Reached skill level 15 in Fire Magic
107438 | Zig:27   | Identified the ring of the Special Youths {rPois rCorr
                  | Str+6 Int+2 Slay-3}
107439 | Zig:27   | Identified the staff of cold "Xuypriru" {*Slow rC+ rN++
                  | Stlth+}
107440 | Zig:27   | Identified the +10 halberd "Biholo" {drain, rC+}
107492 | Zig:1    | Entered Level 1 of a ziggurat
107523 | Zig:2    | Entered Level 2 of a ziggurat
107548 | Zig:3    | Entered Level 3 of a ziggurat
107553 | Zig:3    | Reached skill level 18 in Fire Magic
107580 | Zig:4    | Entered Level 4 of a ziggurat
107598 | Zig:4    | Identified the +10 great mace of the Bruised Loafs {spect,
                  | Drain rC+ Dex+6}
107609 | Zig:5    | Entered Level 5 of a ziggurat
107643 | Zig:5    | Identified the ring "Dian" {rF+ rCorr Int+4 Dex+4 Stlth+}
107646 | Zig:5    | Identified the +9 flail of Perversion {flame, +Blink rN+
                  | Str+3 Dex-4}
107686 | Zig:6    | Entered Level 6 of a ziggurat
107743 | Zig:6    | Identified the +8 short sword "Transmigrator" {spect,
                  | Dex+5}
107773 | Zig:7    | Entered Level 7 of a ziggurat
107819 | Zig:7    | Identified the staff of earth "Dehas" {Dex+5}
107863 | Zig:8    | Entered Level 8 of a ziggurat
107933 | Zig:9    | Entered Level 9 of a ziggurat
107950 | Zig:9    | Found the +10 zealot's sword {holy, Zealotry, *Rage rN+
                  | EV+3}
108023 | Zig:9    | Identified the ring "Firiwn" {rF+ rN+ Str+5 Stlth+}
108070 | Zig:10   | Entered Level 10 of a ziggurat
108075 | Zig:10   | Noticed a juggernaut
108077 | Zig:10   | Killed a juggernaut
108146 | Zig:10   | Identified the +2 flail of the Final Chapter {freeze, rC+
                  | Int+6}
108148 | Zig:10   | Identified the ring "Echi" {MP+9 Dex+5}
108175 | Zig:10   | Identified the ring "Vukot" {MP+9 Dex+2 Stlth+}
108214 | Zig:11   | Entered Level 11 of a ziggurat
108225 | Zig:11   | Found the necklace of Bloodlust {Fury *Rage Will++ Int-3
                  | Slay+6}
108260 | Zig:11   | Identified the staff of death "Utreann" {+Blink rC+ rN+
                  | Int+2}
108270 | Zig:11   | Identified the ring of Dogma {rF+ Will++ Str-3}
108272 | Zig:11   | Identified the +0 spear of the Trees {spect, rElec Int+5}
108323 | Zig:12   | Entered Level 12 of a ziggurat
108331 | Zig:12   | Noticed an orb of fire
108331 | Zig:12   | Noticed an orb of fire
108331 | Zig:12   | Noticed an orb of fire
108332 | Zig:12   | Noticed an orb of fire
108332 | Zig:12   | Noticed an orb of fire
108332 | Zig:12   | Noticed an orb of fire
108332 | Zig:12   | Noticed an orb of fire
108333 | Zig:12   | Gained mutation: Your spells are a little easier to cast,
                  | but a little less powerful. [an orb of fire]
108334 | Zig:12   | Gained mutation: You sometimes lose your temper in combat.
                  | [an orb of fire]
108335 | Zig:12   | Killed an orb of fire
108335 | Zig:12   | Killed an orb of fire
108336 | Zig:12   | Killed an orb of fire
108336 | Zig:12   | Killed an orb of fire
108336 | Zig:12   | Killed an orb of fire
108336 | Zig:12   | Gained mutation: You are frail. (-10% HP) [an orb of fire]
108337 | Zig:12   | Killed an orb of fire
108339 | Zig:12   | Killed an orb of fire
108340 | Zig:12   | Lost mutation: You are dopey. (Int -2) [potion of mutation]
108340 | Zig:12   | Lost mutation: You are frail. (-10% HP) [potion of
                  | mutation]
108340 | Zig:12   | Gained mutation: Your body sometimes deteriorates upon
                  | taking damage. [potion of mutation]
108340 | Zig:12   | Gained mutation: Your body often deteriorates upon taking
                  | damage. [potion of mutation]
108343 | Zig:12   | Lost mutation: You sometimes lose your temper in combat.
                  | [potion of mutation]
108343 | Zig:12   | Lost mutation: Your spells are a little easier to cast, but
                  | a little less powerful. [potion of mutation]
108343 | Zig:12   | Gained mutation: Your muscles are strong. (Str +4, Int/Dex
                  | -1) [potion of mutation]
108343 | Zig:12   | Gained mutation: You possess an exceptional clarity of
                  | mind. [potion of mutation]
108382 | Zig:12   | Identified the ring "Epsazih" {Fire rElec rN++ Will+ Int-5}
108387 | Zig:12   | Identified the ring "Tutoasch" {rPois rCorr}
108421 | Zig:13   | Entered Level 13 of a ziggurat
108431 | Zig:13   | Reached skill level 21 in Necromancy
108436 | Zig:13   | Found the +8 Wrath of Trog {antimagic, *Rage Rampage}
108489 | Zig:13   | Identified the +1 swamp dragon scales "Poiph" {-Cast rPois
                  | Dex+8 Stlth+}
108491 | Zig:13   | Identified the +3 dire flail of Generosity {venom, rN+}
108500 | Zig:13   | Identified the +3 morningstar "Miesulun" {flame, rElec rC+}
108503 | Zig:13   | Identified the +6 flail "Paotig" {distort, SInv}
108562 | Zig:14   | Entered Level 14 of a ziggurat
108699 | Zig:14   | Identified the +9 hand axe of Urhoedgh {vamp, Int+4}
108710 | Zig:14   | Identified the +9 spear of the Old World {distort, rN+
                  | rCorr Str+5 Stlth+}
108711 | Zig:14   | Identified the +0 chain mail of Objectivity {Stlth+}
108719 | Zig:14   | Identified the -1 buckler "Acsuogab" {rElec Str-3 Dex+4}
108720 | Zig:14   | Identified the +7 great sword of Orussukh {heavy, Contam
                  | Dex+8}
108729 | Zig:15   | Entered Level 15 of a ziggurat
108817 | Zig:15   | Identified the staff of fire "Jyvvil" {rElec rF+ Str-2
                  | Int+2}
108894 | Zig:16   | Entered Level 16 of a ziggurat
109039 | Zig:16   | Identified the staff of earth "Cinemeuw" {rC++ rN+ Dex+3}
109069 | Zig:16   | Identified the +0 chain mail of Tenacity {rElec rF+ rCorr
                  | Int+8 Dex-4}
109079 | Zig:16   | Identified the ring "Sajionyxuo" {Wiz Str+2}
109080 | Zig:16   | Identified the +1 shortbow "Worm" {heavy, Dex+3}
109102 | Zig:17   | Entered Level 17 of a ziggurat
109108 | Zig:17   | Noticed Qoel the pandemonium lord
109108 | Zig:17   | Noticed Xaxa Xon the pandemonium lord
109108 | Zig:17   | Noticed Anug the pandemonium lord
109110 | Zig:17   | Noticed Puecsioc the pandemonium lord
109110 | Zig:17   | Noticed Ryduzele the pandemonium lord
109110 | Zig:17   | Noticed Kocsekk the pandemonium lord
109110 | Zig:17   | Noticed Picidijy the pandemonium lord
109110 | Zig:17   | Noticed Icuv the pandemonium lord
109111 | Zig:17   | Noticed Nimef the pandemonium lord
109113 | Zig:17   | Killed Qoel the pandemonium lord
109113 | Zig:17   | Killed Anug the pandemonium lord
109114 | Zig:17   | Killed Icuv the pandemonium lord
109114 | Zig:17   | Killed Kocsekk the pandemonium lord
109114 | Zig:17   | Noticed Suipeaprybb the pandemonium lord
109114 | Zig:17   | Noticed Tiav the pandemonium lord
109116 | Zig:17   | Killed Puecsioc the pandemonium lord
109116 | Zig:17   | Killed Xaxa Xon the pandemonium lord
109116 | Zig:17   | Killed Suipeaprybb the pandemonium lord
109117 | Zig:17   | Killed Picidijy the pandemonium lord
109119 | Zig:17   | Killed Nimef the pandemonium lord
109125 | Zig:17   | Killed Ryduzele the pandemonium lord
109125 | Zig:17   | Killed Tiav the pandemonium lord
109249 | Zig:17   | Identified the amulet "Cebrochi" {Faith Rampage Int+2}
109264 | Zig:17   | Identified the +1 leather armour of Patterns {Contam rPois
                  | Dex+4}
109343 | Zig:18   | Entered Level 18 of a ziggurat
109349 | Zig:18   | Noticed Veodywke's ghost (legendary MiBe)
109350 | Zig:18   | Noticed Talannal's ghost (legendary GnHW)
109352 | Zig:18   | Noticed shadowrider38's ghost (legendary DsCA)
109352 | Zig:18   | Noticed sasquatch's ghost (legendary GrEE)
109352 | Zig:18   | Noticed meatyocre's ghost (veteran TrFi)
109353 | Zig:18   | Noticed stevelinton's ghost (legendary KoBe)
109355 | Zig:18   | Noticed Whoops's ghost (master DsFi)
109355 | Zig:18   | Noticed Loveship's ghost (legendary MiFi)
109356 | Zig:18   | Reached skill level 21 in Fighting
109361 | Zig:18   | Killed meatyocre's ghost
109361 | Zig:18   | Killed Talannal's ghost
109362 | Zig:18   | Killed stevelinton's ghost
109370 | Zig:18   | Killed sasquatch's ghost
109370 | Zig:18   | Killed shadowrider38's ghost
109372 | Zig:18   | Killed Whoops's ghost
109381 | Zig:18   | Killed Loveship's ghost
109411 | Zig:18   | Killed Veodywke's ghost
109551 | Zig:18   | Identified the amulet "Hivass" {Faith Rampage Str+3 Dex+5}
109552 | Zig:18   | Identified the +0 chain mail of Merim {rN+ Str+3 Stlth+}
109553 | Zig:18   | Identified the +9 shortbow "Guifog" {speed, rPois rF+ Str+3
                  | Int+3}
109557 | Zig:18   | Identified the +2 demon blade of Peace {freeze, rF+ rC+}
109563 | Zig:18   | Identified the +1 quarterstaff of shadowrider38's Woe
                  | {freeze, rPois MP+9}
109606 | Zig:19   | Entered Level 19 of a ziggurat
109612 | Zig:19   | Noticed a royal mummy
109612 | Zig:19   | Noticed a royal mummy
109612 | Zig:19   | Noticed a royal mummy
109612 | Zig:19   | Noticed a royal mummy
109612 | Zig:19   | Noticed a royal mummy
109613 | Zig:19   | Killed a royal mummy
109613 | Zig:19   | Killed a royal mummy
109613 | Zig:19   | Noticed a royal mummy
109614 | Zig:19   | Killed a royal mummy
109614 | Zig:19   | Killed a royal mummy
109614 | Zig:19   | Killed a royal mummy
109615 | Zig:19   | Noticed a royal mummy
109615 | Zig:19   | Noticed a royal mummy
109615 | Zig:19   | Found the dreamshard necklace {*Dream Drain}
109617 | Zig:19   | Killed a royal mummy
109617 | Zig:19   | Killed a royal mummy
109619 | Zig:19   | Killed a royal mummy
109619 | Zig:19   | Noticed a royal mummy
109626 | Zig:19   | Killed a royal mummy
109692 | Zig:19   | Reached skill level 24 in Fighting
109725 | Zig:19   | Identified the +0 scale mail of the Saviour {Contam rC+ rN+
                  | Dex+3}
109726 | Zig:19   | Identified the ring "Tirchaum" {rF+ Int+3 Dex+3 Stlth+}
109876 | Zig:20   | Entered Level 20 of a ziggurat
109894 | Zig:20   | Found the ring of the Hare {EV+10}
109894 | Zig:20   | Found the +3 pair of seven-league boots {Rampage+∞}
109894 | Zig:20   | Found the +7 sceptre of Torment {pain, torment}
110096 | Zig:20   | Identified the staff of earth "Raunux" {rC+ Str+3}
110102 | Zig:20   | Identified the +6 arbalest "Plojy" {flame, +Blink rF-
                  | rCorr}
110103 | Zig:20   | Identified the +2 leather armour of Wetifa {*Slow rElec
                  | Stlth+}
110109 | Zig:20   | Identified the +12 dagger "Kiodunk" {speed, Drain +Blink
                  | rCorr Dex+6}
110135 | Zig:20   | Identified the +5 pair of boots "Ycuawah" {rF+ Str+2 Int+3}
110210 | Zig:21   | Entered Level 21 of a ziggurat
110219 | Zig:21   | Reached skill level 27 in Spellcasting
110219 | Zig:21   | Noticed a dread lich
110221 | Zig:21   | Found the +4 moon troll leather armour {Spirit, Regen++
                  | MP+5}
110227 | Zig:21   | Killed a dread lich
110344 | Zig:21   | Identified the +2 trident "Ruol" {freeze, rC+++ Str+3 Int-3
                  | Dex+3}
110345 | Zig:21   | Identified the +1 spear "Transmigrator" {freeze, SInv
                  | Stlth+}
110349 | Zig:21   | Identified the +4 dagger "Udworgh" {heavy, *Slow rF+ rC++
                  | Stlth+}
110360 | Zig:21   | Identified the staff of poison "Lozibeet" {rPois Int+4}
110361 | Zig:21   | Identified the +0 whip of the Hungering Oracle {heavy,
                  | *Rage Will+ Int+3}
110399 | Zig:21   | Identified the +1 hand axe of the Pill Bug {drain, *Rage
                  | rN+++ rCorr MP-9 Stlth+}
110413 | Zig:21   | Identified the +2 leather armour of the Great Game {Int+5
                  | Dex-3}
110593 | Zig:22   | Entered Level 22 of a ziggurat
110607 | Zig:22   | Noticed an ancient lich
110607 | Zig:22   | Noticed a dread lich
110607 | Zig:22   | Noticed an ancient lich
110607 | Zig:22   | Noticed an ancient lich
110607 | Zig:22   | Noticed an ancient lich
110607 | Zig:22   | Found the amulet of Vitality {RegenMP++ Regen++}
110609 | Zig:22   | Reached skill level 27 in Fighting
110609 | Zig:22   | Killed an ancient lich
110609 | Zig:22   | Killed a dread lich
110609 | Zig:22   | Killed an ancient lich
110610 | Zig:22   | Noticed an ancient lich
110611 | Zig:22   | Killed an ancient lich
110611 | Zig:22   | Killed an ancient lich
110613 | Zig:22   | Killed an ancient lich
110614 | Zig:22   | Reached skill level 27 in Ice Magic
110720 | Zig:22   | Identified the amulet "Zijyebywn" {+Inv rElec Regen+ rCorr
                  | Slay-6}
110775 | Zig:22   | Identified the +6 sling of Wu Jian, Grinning {drain, Contam
                  | rElec MP+9 Int+2}
110804 | Zig:22   | Identified the +11 morningstar "Opuivaox" {holy, rC+}
110830 | Zig:22   | Identified the ring of Souquoh {rN+ rCorr Str+6 Int+2 SInv}
110878 | Zig:23   | Entered Level 23 of a ziggurat
110986 | Zig:23   | Identified the +2 scimitar of the Blushing Vulture {elec,
                  | Will+}
111032 | Zig:23   | Identified the ring of the Death Scarab {rF+ rN+}
111036 | Zig:23   | Identified the staff of air "Cohuwol" {rElec rF- rN+ rCorr}
111168 | Zig:24   | Entered Level 24 of a ziggurat
111179 | Zig:24   | Noticed a dread lich
111181 | Zig:24   | Reached skill level 27 in Earth Magic
111182 | Zig:24   | Noticed a dread lich
111182 | Zig:24   | Noticed an ancient lich
111182 | Zig:24   | Noticed an ancient lich
111184 | Zig:24   | Reached skill level 6 in Armour
111184 | Zig:24   | Killed an ancient lich
111184 | Zig:24   | Killed an ancient lich
111184 | Zig:24   | Killed a dread lich
111185 | Zig:24   | Reached skill level 6 in Dodging
111186 | Zig:24   | Killed a dread lich
111423 | Zig:24   | Identified the ring "Myrofuh" {Fire Drain rPois rN+++
                  | Int-3}
111441 | Zig:24   | Identified the +1 shortbow of Geokh {speed, Str+6}
111444 | Zig:24   | Identified the +8 spear of Dominance {elec, rCorr SInv}
111448 | Zig:24   | Identified the orb of Grace {guile, Regen+ Dex+4}
111456 | Zig:24   | Identified the +5 spear "Peivumn" {pain, Will++ Dex+4
                  | Stlth-}
111458 | Zig:24   | Identified the staff of air "Levvibb" {rElec Will- Str+3
                  | Dex+4}
111525 | Zig:25   | Entered Level 25 of a ziggurat
111535 | Zig:25   | Reached skill level 9 in Armour
111535 | Zig:25   | Reached skill level 12 in Shields
111536 | Zig:25   | Reached skill level 9 in Dodging
111537 | Zig:25   | Found the +7 mace of Variability {chaos, chaos arc}
111793 | Zig:25   | Identified the +7 dagger of Asudd {flame, rF- Str+3 Dex+9}
111800 | Zig:25   | Identified the +8 spear "Qufemm" {elec, rElec Str+2}
111811 | Zig:25   | Identified the +9 dagger of Dismay {freeze, rC+ Will+ Str+4
                  | Int+2}
111852 | Zig:26   | Entered Level 26 of a ziggurat
111862 | Zig:26   | Paralysed by an air elemental for 1 turns
111876 | Zig:26   | Paralysed by an air elemental for 1 turns
111884 | Zig:26   | Found the +3 Mad Mage's Maulers {Infuse+∞ VampMP -Cast}
112119 | Zig:26   | Identified the +6 halberd "Myiskurph" {holy, rElec rCorr
                  | Stlth+}
112121 | Zig:26   | Identified the +6 long sword of Might {freeze, rPois}
112124 | Zig:26   | Identified the ring of the Oligarchy {Fire Will+}
112126 | Zig:26   | Identified the +1 scimitar of Byutorye {freeze, Int+5 Dex-4
                  | Stlth+}
112131 | Zig:26   | Identified the +11 plate armour of the Guild-Master
                  | {*Corrode rF+ Regen+ Int+2}
112134 | Zig:26   | Identified the amulet "Asusm" {Faith Fragile Int+6}
112148 | Zig:26   | Reached skill level 12 in Armour
112256 | Zig:27   | Entered Level 27 of a ziggurat
112266 | Zig:27   | Reached skill level 12 in Dodging
112266 | Zig:27   | Reached skill level 15 in Shields
112267 | Zig:27   | Paralysed by a wendigo for 1 turns
112413 | Zig:27   | Identified the staff of death "Kiajirin" {rN+ Dex+3}
112424 | Zig:27   | Identified the ring of Ase Muse {rF+ rC+ Will+ Int+6}
112435 | Zig:27   | Identified the +12 trident of the Winnowing Sybil {holy,
                  | Drain rElec rN+}
112442 | Zig:27   | Identified the ring "Qasoelu" {rPois rF+ Str+3 Int-2 SInv}
112445 | Zig:27   | Identified the +0 plate armour of the Game of Kings {Harm
                  | rN++ Int+2}
113982 | Zig:1    | Entered Level 1 of a ziggurat
114034 | Zig:2    | Entered Level 2 of a ziggurat
114037 | Zig:2    | Reached skill level 1 in Throwing
114114 | Zig:3    | Entered Level 3 of a ziggurat
114117 | Zig:3    | Noticed Nesiguli the pandemonium lord
114119 | Zig:3    | Reached skill level 3 in Throwing
114122 | Zig:3    | Killed Nesiguli the pandemonium lord
114201 | Zig:4    | Entered Level 4 of a ziggurat
114267 | Zig:4    | Identified the +5 troll leather armour "Ekkizuta" {rN+
                  | Regen+ Dex+3}
114316 | Zig:5    | Entered Level 5 of a ziggurat
114446 | Zig:6    | Entered Level 6 of a ziggurat
114447 | Zig:6    | Noticed a royal mummy
114449 | Zig:6    | Noticed a royal mummy
114452 | Zig:6    | Killed a royal mummy
114452 | Zig:6    | Killed a royal mummy
114453 | Zig:6    | Reached skill level 6 in Throwing
114602 | Zig:7    | Entered Level 7 of a ziggurat
114622 | Zig:7    | Reached skill level 15 in Armour
114622 | Zig:7    | Reached skill level 15 in Dodging
114816 | Zig:8    | Entered Level 8 of a ziggurat
114823 | Zig:8    | Noticed Ruitagogg the pandemonium lord
114824 | Zig:8    | Noticed Kuotufus the pandemonium lord
114826 | Zig:8    | Reached skill level 9 in Throwing
114831 | Zig:8    | Killed Ruitagogg the pandemonium lord
114834 | Zig:8    | Killed Kuotufus the pandemonium lord
114835 | Zig:8    | Reached skill level 12 in Throwing
114996 | Zig:8    | Identified the staff of poison "Nustri" {rPois rF++ rCorr}
115012 | Zig:9    | Entered Level 9 of a ziggurat
115019 | Zig:9    | Noticed a royal mummy
115019 | Zig:9    | Noticed a royal mummy
115019 | Zig:9    | Noticed a royal mummy
115020 | Zig:9    | Noticed a royal mummy
115022 | Zig:9    | Noticed a royal mummy
115024 | Zig:9    | Killed a royal mummy
115024 | Zig:9    | Killed a royal mummy
115024 | Zig:9    | Killed a royal mummy
115025 | Zig:9    | Killed a royal mummy
115025 | Zig:9    | Killed a royal mummy
115097 | Zig:9    | Identified the ring "Damnable Contraption" {Fly rN+ Stlth+}
115101 | Zig:9    | Identified the +8 war axe of Risk Management {flame, Will-
                  | Str+5}
115105 | Zig:9    | Identified the +1 buckler of Fyantent {+Inv rC+++ Str-5
                  | Int-3}
115160 | Zig:10   | Entered Level 10 of a ziggurat
115330 | Zig:10   | Identified the +5 spear "Sakkued" {flame, +Blink}
115387 | Zig:11   | Entered Level 11 of a ziggurat
115399 | Zig:11   | Reached skill level 15 in Throwing
115499 | Zig:11   | Identified the +1 hand axe of the Crawling Thing {freeze,
                  | rN+}
115504 | Zig:11   | Identified the +11 short sword "Widowmaker" {pain, rCorr
                  | Str+4 Dex+2}
115511 | Zig:11   | Identified the +10 plate armour "Afovvoto" {rN+}
115514 | Zig:11   | Identified the amulet "Puasch" {Faith Int+4}
115571 | Zig:11   | Identified the amulet "Puphutzimy" {Acrobat +Inv rF+}
115593 | Zig:12   | Entered Level 12 of a ziggurat
115613 | Zig:12   | Reached skill level 9 in Air Magic
115808 | Zig:13   | Entered Level 13 of a ziggurat
115823 | Zig:13   | Found the +0 mask of the Dragon {Will+ Slay+3 SInv}
115827 | Zig:13   | Reached skill level 12 in Conjurations
115954 | Zig:13   | Identified the staff of air "Bychois" {rElec rF++}
116027 | Zig:14   | Entered Level 14 of a ziggurat
116217 | Zig:14   | Identified the +3 leather armour of Getetoro {*Slow rPois
                  | Slay+2}
116248 | Zig:14   | Identified the +4 mace "Oschirrashe" {speed, MP+9}
116299 | Zig:14   | Learned a level 9 spell: Chain Lightning
116300 | Zig:15   | Entered Level 15 of a ziggurat
116304 | Zig:15   | Paralysed by a floating eye for 2 turns
116308 | Zig:15   | Noticed an ancient lich
116314 | Zig:15   | Killed an ancient lich
116315 | Zig:15   | Reached skill level 12 in Air Magic
116515 | Zig:15   | Identified the staff of air "Qova" {rElec Stlth+}
116519 | Zig:15   | Identified the +2 quarterstaff of Xiytyuw Xulu {holy, rElec
                  | rF- rCorr Dex-4}
116525 | Zig:15   | Identified the +10 spear of Qoho {freeze, rN++ rCorr Str+4
                  | Dex-3}
116532 | Zig:15   | Identified the +6 longbow "Sudix" {elec, +Blink rC+}
116643 | Zig:16   | Entered Level 16 of a ziggurat
116658 | Zig:16   | Noticed a juggernaut
116658 | Zig:16   | Noticed a juggernaut
116658 | Zig:16   | Noticed a juggernaut
116659 | Zig:16   | Noticed a juggernaut
116659 | Zig:16   | Noticed a juggernaut
116660 | Zig:16   | Noticed a juggernaut
116660 | Zig:16   | Noticed a juggernaut
116661 | Zig:16   | Killed a juggernaut
116661 | Zig:16   | Noticed a juggernaut
116662 | Zig:16   | Killed a juggernaut
116662 | Zig:16   | Killed a juggernaut
116663 | Zig:16   | Reached skill level 15 in Conjurations
116663 | Zig:16   | Killed a juggernaut
116663 | Zig:16   | Killed a juggernaut
116663 | Zig:16   | Killed a juggernaut
116663 | Zig:16   | Killed a juggernaut
116663 | Zig:16   | Killed a juggernaut
116862 | Zig:16   | Identified the +2 dagger of the Realm of Zot {flame, Dex+3}
116881 | Zig:16   | Identified the +1 plate armour "Popasape" {rF+}
116897 | Zig:16   | Identified the staff of poison "Jigismy" {rPois rCorr SInv}
116939 | Zig:17   | Entered Level 17 of a ziggurat
116960 | Zig:17   | Reached skill level 15 in Air Magic
117242 | Zig:17   | Identified the staff of air "Afedwiar" {rElec Str+4}
117248 | Zig:17   | Reached skill level 18 in Conjurations
117295 | Zig:18   | Entered Level 18 of a ziggurat
117311 | Zig:18   | Noticed Kisegi the pandemonium lord
117311 | Zig:18   | Noticed Entijuju the pandemonium lord
117311 | Zig:18   | Noticed Rafau the pandemonium lord
117312 | Zig:18   | Noticed Kiklaesu the pandemonium lord
117312 | Zig:18   | Noticed Zosarch the pandemonium lord
117312 | Zig:18   | Noticed Fuzim the pandemonium lord
117312 | Zig:18   | Noticed Afalod the pandemonium lord
117312 | Zig:18   | Noticed Zarph the pandemonium lord
117313 | Zig:18   | Killed Kiklaesu the pandemonium lord
117314 | Zig:18   | Noticed Byrhygem the pandemonium lord
117314 | Zig:18   | Noticed Koqisor the pandemonium lord
117314 | Zig:18   | Killed Fuzim the pandemonium lord
117314 | Zig:18   | Noticed Naribat the pandemonium lord
117314 | Zig:18   | Noticed Wounoot the pandemonium lord
117315 | Zig:18   | Noticed Goihaore the pandemonium lord
117315 | Zig:18   | Noticed Himezor the pandemonium lord
117316 | Zig:18   | Killed Zarph the pandemonium lord
117316 | Zig:18   | Killed Naribat the pandemonium lord
117317 | Zig:18   | Killed Himezor the pandemonium lord
117317 | Zig:18   | Killed Byrhygem the pandemonium lord
117317 | Zig:18   | Killed Koqisor the pandemonium lord
117317 | Zig:18   | Killed Afalod the pandemonium lord
117318 | Zig:18   | Killed Kisegi the pandemonium lord
117318 | Zig:18   | Killed Rafau the pandemonium lord
117318 | Zig:18   | Noticed Voataddi the pandemonium lord
117319 | Zig:18   | Noticed Puajyife the pandemonium lord
117319 | Zig:18   | Killed Zosarch the pandemonium lord
117322 | Zig:18   | Killed Wounoot the pandemonium lord
117338 | Zig:18   | Paralysed by a floating eye for 3 turns
117344 | Zig:18   | Identified the +0 leather armour of Sixys {Drain Str+4}
117344 | Zig:18   | Killed Goihaore the pandemonium lord
117344 | Zig:18   | Killed Entijuju the pandemonium lord
117345 | Zig:18   | Reached skill level 18 in Air Magic
117345 | Zig:18   | Killed Voataddi the pandemonium lord
117346 | Zig:18   | Killed Puajyife the pandemonium lord
117572 | Zig:18   | Identified the ring "Atuessov" {Fly rC+}
117640 | Zig:19   | Entered Level 19 of a ziggurat
117649 | Zig:19   | Noticed a dread lich
117650 | Zig:19   | Noticed an ancient lich
117651 | Zig:19   | Noticed an ancient lich
117655 | Zig:19   | Killed a dread lich
117656 | Zig:19   | Killed an ancient lich
117656 | Zig:19   | Killed an ancient lich
117657 | Zig:19   | Reached skill level 21 in Conjurations
117657 | Zig:19   | Noticed an ancient lich
117659 | Zig:19   | Noticed a dread lich
117663 | Zig:19   | Killed an ancient lich
117664 | Zig:19   | Noticed an ancient lich
117665 | Zig:19   | Killed a dread lich
117672 | Zig:19   | Killed an ancient lich
117865 | Zig:19   | Found the ring of the Octopus King
117896 | Zig:19   | Identified a ring of the Octopus King {Fly HP+2 AC+2 EV+2
                  | SH+2}
117898 | Zig:19   | Identified the +1 longbow of Causality {speed, MP+9 Str+5}
117905 | Zig:19   | Identified the +5 short sword of Bursted Defiance {spect,
                  | rN+ Int+6 Dex+3}
117907 | Zig:19   | Identified the +1 halberd "Earthworm" {protect, rPois rF+
                  | Int+3 SInv}
117918 | Zig:19   | Identified the +0 chain mail of Context {rF+ rC- Str+8
                  | Stlth-}
117922 | Zig:19   | Identified the staff of earth "Gaquedag" {rElec rF+++ rC-
                  | Dex-3}
117924 | Zig:19   | Identified the +8 dagger of Cheese {flame, rPois MP-9 Dex-5
                  | SInv}
118040 | Zig:19   | Learned a level 9 spell: Death's Door
118042 | Zig:20   | Entered Level 20 of a ziggurat
118073 | Zig:20   | Found the amulet of the Four Winds {rN+ Will+++ Clar}
118416 | Zig:20   | Identified the +1 battleaxe of Disembowelment {flame, rC+++
                  | Str+5 Dex+5}
118418 | Zig:20   | Identified the +3 ring mail of Doamaam {Dex+3}
118498 | Zig:21   | Entered Level 21 of a ziggurat
118511 | Zig:21   | Noticed a dread lich
118515 | Zig:21   | Reached skill level 21 in Air Magic
118515 | Zig:21   | Noticed an ancient lich
118517 | Zig:21   | Noticed a dread lich
118518 | Zig:21   | Killed a dread lich
118518 | Zig:21   | Noticed a dread lich
118519 | Zig:21   | Noticed a dread lich
118520 | Zig:21   | Killed a dread lich
118521 | Zig:21   | Noticed a dread lich
118521 | Zig:21   | Killed an ancient lich
118521 | Zig:21   | Killed a dread lich
118521 | Zig:21   | Noticed a dread lich
118523 | Zig:21   | Killed a dread lich
118523 | Zig:21   | Killed a dread lich
118523 | Zig:21   | Killed a dread lich
118524 | Zig:21   | Reached skill level 24 in Conjurations
118533 | Zig:21   | Found the +7 Spriggan's Knife {stab, EV+4 Stlth+}
118823 | Zig:21   | Identified the staff of death "Xuwiyciu" {rElec rC+ rN+
                  | Int+3 Stlth-}
118851 | Zig:21   | Identified the ring of Lupnass {*Slow rN+ Dex+2 Slay+4}
118852 | Zig:21   | Identified the ring "Baneifin" {rPois Will+ Slay+4}
118922 | Zig:22   | Entered Level 22 of a ziggurat
118955 | Zig:22   | Found the +18 shield of the Gong {Loud rN+ Will+ rCorr
                  | EV-5}
119277 | Zig:22   | Identified the +5 whip "Maiprix" {heavy, *Rage Fly rN+
                  | Will+}
119283 | Zig:22   | Identified the +6 chain mail "Meqigeckei" {Drain Regen+
                  | Int+3 SInv}
119404 | Zig:23   | Entered Level 23 of a ziggurat
119435 | Zig:23   | Reached skill level 24 in Air Magic
119438 | Zig:23   | Found the +5 Storm Queen's Shield {shock, Fly rElec}
119786 | Zig:23   | Identified the +0 great mace "Iren" {freeze, rF+ rN++
                  | Str-3}
119791 | Zig:23   | Identified the amulet of Nikly {RegenMP Int+7}
119792 | Zig:23   | Identified the +0 flail "Yham Sydgh" {freeze, Fragile Str+5
                  | Int+4}
119832 | Zig:23   | Identified the +1 battleaxe "Huidd" {freeze, rN+ Will+
                  | Str+5}
119887 | Zig:24   | Entered Level 24 of a ziggurat
119913 | Zig:24   | Reached skill level 27 in Conjurations
120222 | Zig:24   | Identified the +8 broad axe "Concordance" {venom, Fly}
120225 | Zig:24   | Identified the +1 battleaxe "Bolour" {heavy, rF+ rN+ SInv}
120271 | Zig:24   | Identified the +3 leather armour of Gehenna {Rampage
                  | *Corrode Fly Int+3}
120272 | Zig:24   | Identified the staff of air "Maur" {rElec rN+}
120278 | Zig:24   | Identified the staff of poison "Pos Foi" {rPois Will++
                  | Str-4 Int+6}
120279 | Zig:24   | Identified the +3 falchion of Duorphil {protect, rF+++
                  | rCorr MP-9 Stlth+}
120284 | Zig:24   | Identified the +8 shortbow of the Beast {freeze, rPois}
120371 | Zig:25   | Entered Level 25 of a ziggurat
120401 | Zig:25   | Reached skill level 27 in Air Magic
120409 | Zig:25   | Found the +4 robe of Folly {Brill Will-∞ Int+8}
120422 | Zig:25   | Reached skill level 24 in Necromancy
120800 | Zig:25   | Identified the staff of earth "Qoull" {Int+2 Dex+2}
120818 | Zig:25   | Identified the ring "Hoinal" {rElec rF+ rC+ Dex+6}
120823 | Zig:25   | Identified the staff of death "Soclae" {rPois rN+ rCorr
                  | MP+9 Int+3}
120824 | Zig:25   | Identified the staff of fire "Xagogac" {rF+ Dex+5}
120832 | Zig:25   | Identified the +3 scimitar "Zyqih" {vamp, rPois Will+ MP+9}
120927 | Zig:26   | Entered Level 26 of a ziggurat
120948 | Zig:26   | Paralysed by an air elemental for 1 turns
120960 | Zig:26   | Reached skill level 27 in Necromancy
120965 | Zig:26   | Found the +3 Elemental Staff {rElec rF+ rC+ AC+3}
121339 | Zig:26   | Identified the +4 robe of Qukoubb {Regen+ Str+3}
121366 | Zig:26   | Identified the staff of earth "Ezaytej" {Dex+3}
121392 | Zig:26   | Identified the +0 long sword "Zoeptiun" {freeze, rF+ rC-
                  | Dex+2}
121397 | Zig:26   | Identified the +6 plate armour of the Demon Prince {rC+
                  | Str+3}
121476 | Zig:27   | Entered Level 27 of a ziggurat
121505 | Zig:27   | Noticed an ancient lich
121507 | Zig:27   | Noticed an ancient lich
121510 | Zig:27   | Noticed an ancient lich
121512 | Zig:27   | Killed an ancient lich
121512 | Zig:27   | Killed an ancient lich
121513 | Zig:27   | Killed an ancient lich
121516 | Zig:27   | Reached skill level 18 in Armour
121521 | Zig:27   | Found the +4 consecrated labrys {holy, Valiant Fragile Fly
                  | SInv}
121929 | Zig:27   | Identified the +1 glaive of Suciliqu {flame, *Corrode rC+
                  | Dex+2}
121937 | Zig:27   | Identified the +2 great sword "Ogepum" {vamp, *Corrode
                  | Str+2 Dex+7}
121939 | Zig:27   | Identified the +2 leather armour "Daetorgh" {Dex+5}
121941 | Zig:27   | Identified the +0 morningstar of Makhleb's Esteem {venom,
                  | Str+2 Stlth+}
121944 | Zig:27   | Identified the +6 dagger "Jumok" {heavy, rN+ Will+ Str+2}
121961 | Zig:27   | Identified the ring "Mamirucipt" {Fly rC+++ rN++ Str-4
                  | Stlth+}
121987 | Zig:27   | Reached skill level 15 in Evocations
122102 | Zig:1    | Entered Level 1 of a ziggurat
122174 | Zig:2    | Entered Level 2 of a ziggurat
122236 | Zig:3    | Entered Level 3 of a ziggurat
122282 | Zig:3    | Identified the staff of fire "Jujirgh" {rF+ Dex+5}
122292 | Zig:3    | Identified the +7 battleaxe of the Immovable Souls {venom,
                  | Int+4 Dex+5}
122299 | Zig:4    | Entered Level 4 of a ziggurat
122399 | Zig:5    | Entered Level 5 of a ziggurat
122494 | Zig:6    | Entered Level 6 of a ziggurat
122606 | Zig:6    | Identified the +1 plate armour of Absence {Harm rCorr SInv}
122612 | Zig:6    | Identified the ring of Logig {Fly rPois rC+}
122616 | Zig:6    | Identified the +6 plate armour "Mesaeph" {Fly rElec}
122637 | Zig:7    | Entered Level 7 of a ziggurat
122642 | Zig:7    | Noticed an ancient lich
122643 | Zig:7    | Noticed an ancient lich
122644 | Zig:7    | Noticed an ancient lich
122645 | Zig:7    | Noticed an ancient lich
122646 | Zig:7    | Killed an ancient lich
122648 | Zig:7    | Killed an ancient lich
122649 | Zig:7    | Killed an ancient lich
122649 | Zig:7    | Killed an ancient lich
122747 | Zig:7    | Identified the staff of poison "Lystrumai" {rElec rPois}
122804 | Zig:8    | Entered Level 8 of a ziggurat
122947 | Zig:9    | Entered Level 9 of a ziggurat
123038 | Zig:9    | Identified the ring of Veviwk {Ice Contam rN+ Will+ rCorr}
123042 | Zig:9    | Identified the ring "Soompess" {*Slow rC++ rN+ Int+3}
123048 | Zig:9    | Identified the staff of cold "Vument" {rC+ Will+}
123058 | Zig:9    | Identified the ring of the Inquisitive Queens {AC+4 Int+7}
123096 | Zig:9    | Identified the staff of conjuration "Qoojah" {rC+ rCorr
                  | Int+3}
123144 | Zig:10   | Entered Level 10 of a ziggurat
123155 | Zig:10   | Reached skill level 18 in Dodging
123155 | Zig:10   | Reached skill level 18 in Shields
123157 | Zig:10   | Reached skill level 18 in Evocations
123348 | Zig:10   | Identified the staff of earth "Qots" {*Corrode rF+ Dex+6
                  | SInv}
123368 | Zig:10   | Identified the staff of conjuration "Hairimmo" {rElec rN+
                  | Will- Str+5}
123417 | Zig:11   | Entered Level 11 of a ziggurat
123427 | Zig:11   | Noticed Tetuh the pandemonium lord
123430 | Zig:11   | Killed Tetuh the pandemonium lord
123652 | Zig:11   | Identified the ring "Cerghoaso" {Ice Will+ Dex+2}
123666 | Zig:11   | Identified the +8 dagger of Optimality {pain, Dex+2 SInv}
123730 | Zig:12   | Entered Level 12 of a ziggurat
123739 | Zig:12   | Found the +10 Black Knight's barding {ponderous, rPois rN+}
123740 | Zig:12   | Noticed Xioh the pandemonium lord
123744 | Zig:12   | Killed Xioh the pandemonium lord
123943 | Zig:12   | Identified the staff of conjuration "Holufoll" {rN+}
124025 | Zig:13   | Entered Level 13 of a ziggurat
124038 | Zig:13   | Reached skill level 21 in Armour
124042 | Zig:13   | Reached skill level 18 in Throwing
124199 | Zig:13   | Identified the +0 ring mail of Pocui {-Tele rElec rC-
                  | Regen+}
124203 | Zig:13   | Identified the +2 robe of Mental Paralysis {rN+ rCorr}
124213 | Zig:13   | Identified the +1 morningstar of Cowardice {elec, rElec
                  | rN++ Str-2}
124220 | Zig:13   | Identified the staff of death "Ytzeepn" {Fragile rPois rN+
                  | Will+ Stlth+}
124350 | Zig:14   | Entered Level 14 of a ziggurat
124362 | Zig:14   | Noticed a juggernaut
124362 | Zig:14   | Noticed a juggernaut
124363 | Zig:14   | Noticed a juggernaut
124364 | Zig:14   | Noticed a juggernaut
124366 | Zig:14   | Killed a juggernaut
124366 | Zig:14   | Killed a juggernaut
124367 | Zig:14   | Killed a juggernaut
124367 | Zig:14   | Killed a juggernaut
124492 | Zig:14   | Acquired 1005 gold pieces
124578 | Zig:14   | Acquired the +1 cloak of Failure {MP+9 Str+2 Int+2}
124628 | Zig:14   | Identified the +2 longbow of Hutelomp {elec, +Blink rN+
                  | Int-3}
124676 | Zig:14   | Identified the staff of cold "Avinn" {Fly rElec rC+ Stlth+}
124737 | Zig:15   | Entered Level 15 of a ziggurat
124749 | Zig:15   | Noticed a juggernaut
124750 | Zig:15   | Noticed a juggernaut
124752 | Zig:15   | Killed a juggernaut
124753 | Zig:15   | Noticed a juggernaut
124756 | Zig:15   | Killed a juggernaut
124757 | Zig:15   | Killed a juggernaut
124906 | Zig:15   | Identified the ring of Quihu Poi {rC+ MP+9}
124911 | Zig:15   | Identified the +1 morningstar of Death's Door {chaos,
                  | Stlth+}
124919 | Zig:15   | Identified the staff of conjuration "Hososk" {rElec rPois
                  | rC- rN+++ Will-}
125106 | Zig:16   | Entered Level 16 of a ziggurat
125117 | Zig:16   | Noticed an ancient lich
125118 | Zig:16   | Noticed an ancient lich
125122 | Zig:16   | Reached skill level 21 in Evocations
125122 | Zig:16   | Noticed an ancient lich
125122 | Zig:16   | Noticed an ancient lich
125122 | Zig:16   | Killed an ancient lich
125123 | Zig:16   | Noticed an ancient lich
125123 | Zig:16   | Killed an ancient lich
125124 | Zig:16   | Killed an ancient lich
125124 | Zig:16   | Killed an ancient lich
125125 | Zig:16   | Killed an ancient lich
125315 | Zig:16   | Identified the scarf of Divine Mirth {shadows, Fly Will-
                  | rCorr Str+4}
125411 | Zig:16   | Identified the +9 arbalest of Taser {heavy, Fly rF- rN+
                  | Int+3}
125418 | Zig:16   | Identified the ring "Xalien" {Ice rPois rCorr Str-3 Dex+5}
125419 | Zig:16   | Identified the +6 short sword of a bazaar {freeze, rF+
                  | Int+7}
125473 | Zig:16   | Acquired 627 gold pieces
125481 | Zig:17   | Entered Level 17 of a ziggurat
125495 | Zig:17   | Noticed an ancient lich
125497 | Zig:17   | Noticed a dread lich
125498 | Zig:17   | Killed an ancient lich
125498 | Zig:17   | Killed a dread lich
125498 | Zig:17   | Noticed an ancient lich
125500 | Zig:17   | Noticed a dread lich
125501 | Zig:17   | Noticed an ancient lich
125502 | Zig:17   | Killed an ancient lich
125502 | Zig:17   | Killed an ancient lich
125502 | Zig:17   | Killed a dread lich
125503 | Zig:17   | Reached skill level 21 in Dodging
125503 | Zig:17   | Reached skill level 21 in Shields
125640 | Zig:17   | Identified the +2 long sword "Weitriuk" {freeze, Drain rN+
                  | Dex+2}
125800 | Zig:18   | Entered Level 18 of a ziggurat
125825 | Zig:18   | Found the +9 sword of Power {lifebolt}
125828 | Zig:18   | Found the +2 shield of Resistance {rF++ rC++ Will++}
126119 | Zig:18   | Identified the +5 dagger of Egafihusih {vamp, *Corrode
                  | rElec rC- Int+8}
126244 | Zig:18   | Identified the ring "Eseudigh" {rElec rF++ AC+4 Str+3
                  | Dex-4}
126262 | Zig:18   | Identified the +3 shortbow "Tair" {antimagic, rPois rC++
                  | Str-4}
126327 | Zig:19   | Entered Level 19 of a ziggurat
126359 | Zig:19   | Identified the staff of poison "Iluerchea" {rPois rN+ Str+3
                  | SInv Stlth+}
126460 | Zig:19   | Acquired the +2 pair of slick slippers {slick, slippery,
                  | EV+4}
126460 | Zig:19   | Found the +2 pair of slick slippers {slick, slippery, EV+4}
126574 | Zig:19   | Identified the +0 long sword "No More Talking" {holy,
                  | Dex+4}
126640 | Zig:20   | Entered Level 20 of a ziggurat
126658 | Zig:20   | Reached skill level 21 in Throwing
126665 | Zig:20   | Paralysed by a wendigo for 1 turns
126951 | Zig:20   | Identified the staff of cold "Niriypn" {+Blink rC+}
126963 | Zig:20   | Identified the staff of cold "Heq Eqast" {rElec rF+ rC+
                  | Str-5 Int+8}
126971 | Zig:20   | Identified the +4 ring mail of the Game of Kings {rN+ Str-4
                  | Int+6 Slay+2}
126980 | Zig:20   | Identified the +0 pair of boots of Classification {Rampage
                  | rC++ rCorr Str-2}
126981 | Zig:20   | Identified the +3 sling of Cuop {antimagic, Drain Will++
                  | Dex+3}
126985 | Zig:20   | Identified the +2 plate armour "Xaidaeli" {Stlth+}
127088 | Zig:21   | Entered Level 21 of a ziggurat
127109 | Zig:21   | Reached skill level 24 in Armour
127135 | Zig:21   | Noticed Neter the pandemonium lord
127137 | Zig:21   | Killed Neter the pandemonium lord
127496 | Zig:21   | Found the brooch of Shielding {Spirit SH+8}
127497 | Zig:21   | Found the +7 captain's cutlass {speed, disarm}
127508 | Zig:21   | Identified the ring of Dile {rC- rCorr MP+9 Int-4 Dex+7}
127524 | Zig:21   | Identified the +6 flail of Ru, Building {heavy, Fly rPois
                  | rC++ Dex-5}
127527 | Zig:21   | Identified the +4 chain mail "Jualet" {Drain rN+++ Str+3}
127531 | Zig:21   | Identified the +2 longbow "Usi Wolu" {antimagic, rN++ Str-5
                  | Dex+3}
127533 | Zig:21   | Identified the +3 ring mail of Woedev {Dex+4 Slay+5}
127597 | Zig:21   | Reached skill level 24 in Evocations
127611 | Zig:22   | Entered Level 22 of a ziggurat
127622 | Zig:22   | Noticed a royal mummy
127624 | Zig:22   | Noticed a royal mummy
127624 | Zig:22   | Noticed a royal mummy
127625 | Zig:22   | Noticed a royal mummy
127625 | Zig:22   | Noticed a royal mummy
127627 | Zig:22   | Noticed a royal mummy
127628 | Zig:22   | Killed a royal mummy
127628 | Zig:22   | Noticed a royal mummy
127628 | Zig:22   | Noticed a royal mummy
127629 | Zig:22   | Noticed a royal mummy
127629 | Zig:22   | Noticed a royal mummy
127629 | Zig:22   | Noticed a royal mummy
127630 | Zig:22   | Noticed a royal mummy
127630 | Zig:22   | Noticed a royal mummy
127630 | Zig:22   | Noticed a royal mummy
127631 | Zig:22   | Noticed an ancient lich
127631 | Zig:22   | Killed a royal mummy
127631 | Zig:22   | Killed a royal mummy
127631 | Zig:22   | Killed a royal mummy
127631 | Zig:22   | Killed a royal mummy
127631 | Zig:22   | Killed a royal mummy
127631 | Zig:22   | Killed a royal mummy
127631 | Zig:22   | Killed a royal mummy
127631 | Zig:22   | Noticed a royal mummy
127632 | Zig:22   | Noticed a royal mummy
127632 | Zig:22   | Noticed a royal mummy
127632 | Zig:22   | Noticed a royal mummy
127633 | Zig:22   | Killed a royal mummy
127633 | Zig:22   | Killed a royal mummy
127633 | Zig:22   | Killed a royal mummy
127633 | Zig:22   | Killed a royal mummy
127634 | Zig:22   | Killed a royal mummy
127634 | Zig:22   | Killed a royal mummy
127634 | Zig:22   | Killed a royal mummy
127635 | Zig:22   | Killed an ancient lich
127635 | Zig:22   | Killed a royal mummy
127635 | Zig:22   | Killed a royal mummy
127636 | Zig:22   | Noticed a royal mummy
127636 | Zig:22   | Noticed a royal mummy
127637 | Zig:22   | Killed a royal mummy
127642 | Zig:22   | Noticed a royal mummy
127644 | Zig:22   | Killed a royal mummy
127644 | Zig:22   | Killed a royal mummy
127649 | Zig:22   | Killed a royal mummy
127650 | Zig:22   | Found the +5 Lochaber axe {reach-cleave, Poleaxe Drain}
127878 | Zig:22   | Identified the +9 falchion "Paohoasm" {heavy, rF- Int+4
                  | Dex+4}
127884 | Zig:22   | Identified the ring "Qeirorudoo" {rCorr Str+6 Int+3 Stlth+}
128110 | Zig:23   | Entered Level 23 of a ziggurat
128166 | Zig:23   | Reached skill level 24 in Shields
128315 | Zig:23   | Identified the +6 spear of the Usurping Oracle {drain, rF+
                  | Str+4 Int-2}
128319 | Zig:23   | Identified the +9 hand axe "Gieshruga" {holy, Drain rElec
                  | rPois Str+8}
128320 | Zig:23   | Identified the +1 long sword of Resumed Hostilities
                  | {freeze, rElec rF+ Dex+2}
128628 | Zig:23   | Identified the +0 chain mail of Hedog {Str+3 Int-2 Slay+3}
128878 | Zig:23   | Reached skill level 24 in Dodging
128884 | Zig:24   | Entered Level 24 of a ziggurat
128897 | Zig:24   | Noticed a juggernaut
128898 | Zig:24   | Noticed a juggernaut
128900 | Zig:24   | Noticed a juggernaut
128902 | Zig:24   | Killed a juggernaut
128902 | Zig:24   | Killed a juggernaut
128904 | Zig:24   | Noticed a juggernaut
128905 | Zig:24   | Killed a juggernaut
128905 | Zig:24   | Killed a juggernaut
128912 | Zig:24   | Noticed a juggernaut
128912 | Zig:24   | Noticed a juggernaut
128913 | Zig:24   | Killed a juggernaut
128914 | Zig:24   | Killed a juggernaut
129347 | Zig:24   | Identified the staff of conjuration "Loex" {rElec rPois
                  | Int-3 Stlth+}
129369 | Zig:24   | Identified the ring "Exufom" {rElec rPois rN+ Dex-4 Stlth+}
129515 | Zig:25   | Entered Level 25 of a ziggurat
129527 | Zig:25   | Noticed Nic Tes the pandemonium lord
129529 | Zig:25   | Noticed Yfoukapt the pandemonium lord
129531 | Zig:25   | Noticed Aphiazot the pandemonium lord
129533 | Zig:25   | Noticed Wihi the pandemonium lord
129533 | Zig:25   | Noticed Riaca the pandemonium lord
129533 | Zig:25   | Noticed Wischiaput the pandemonium lord
129534 | Zig:25   | Noticed Ypnarad the pandemonium lord
129534 | Zig:25   | Noticed Ifenga the pandemonium lord
129534 | Zig:25   | Killed Yfoukapt the pandemonium lord
129534 | Zig:25   | Noticed Deam Tel the pandemonium lord
129535 | Zig:25   | Noticed Coffixu the pandemonium lord
129535 | Zig:25   | Noticed Udghyama the pandemonium lord
129536 | Zig:25   | Killed Aphiazot the pandemonium lord
129536 | Zig:25   | Killed Wischiaput the pandemonium lord
129536 | Zig:25   | Killed Ypnarad the pandemonium lord
129536 | Zig:25   | Noticed Iqoups the pandemonium lord
129537 | Zig:25   | Noticed Atuamybe the pandemonium lord
129537 | Zig:25   | Killed Nic Tes the pandemonium lord
129537 | Zig:25   | Killed Wihi the pandemonium lord
129537 | Zig:25   | Noticed Xasius the pandemonium lord
129537 | Zig:25   | Noticed Gauxkin the pandemonium lord
129537 | Zig:25   | Noticed Ylul Rur the pandemonium lord
129539 | Zig:25   | Noticed Zukixarphe the pandemonium lord
129540 | Zig:25   | Killed Riaca the pandemonium lord
129540 | Zig:25   | Noticed Wieri the pandemonium lord
129541 | Zig:25   | Reached skill level 24 in Throwing
129541 | Zig:25   | Noticed Jugrir the pandemonium lord
129541 | Zig:25   | Killed Gauxkin the pandemonium lord
129541 | Zig:25   | Killed Xasius the pandemonium lord
129541 | Zig:25   | Killed Ylul Rur the pandemonium lord
129541 | Zig:25   | Killed Jugrir the pandemonium lord
129542 | Zig:25   | Killed Coffixu the pandemonium lord
129542 | Zig:25   | Killed Iqoups the pandemonium lord
129542 | Zig:25   | Killed Deam Tel the pandemonium lord
129542 | Zig:25   | Noticed Nourchea the pandemonium lord
129544 | Zig:25   | Killed Atuamybe the pandemonium lord
129544 | Zig:25   | Killed Zukixarphe the pandemonium lord
129544 | Zig:25   | Noticed Ageul the pandemonium lord
129544 | Zig:25   | Noticed Yruidat the pandemonium lord
129544 | Zig:25   | Noticed Etwourhi the pandemonium lord
129545 | Zig:25   | Killed Ifenga the pandemonium lord
129545 | Zig:25   | Killed Ageul the pandemonium lord
129546 | Zig:25   | Killed Wieri the pandemonium lord
129546 | Zig:25   | Killed Udghyama the pandemonium lord
129546 | Zig:25   | Noticed Puoh the pandemonium lord
129546 | Zig:25   | Noticed Biheycw the pandemonium lord
129547 | Zig:25   | Noticed Atzuwisom the pandemonium lord
129547 | Zig:25   | Noticed Sypef the pandemonium lord
129547 | Zig:25   | Noticed Hauzuluh the pandemonium lord
129548 | Zig:25   | Killed Yruidat the pandemonium lord
129548 | Zig:25   | Killed Nourchea the pandemonium lord
129548 | Zig:25   | Noticed Zyolefa the pandemonium lord
129548 | Zig:25   | Noticed Houhom the pandemonium lord
129549 | Zig:25   | Noticed Atasan the pandemonium lord
129567 | Zig:25   | Noticed Plog the pandemonium lord
129568 | Zig:25   | Noticed Roni the pandemonium lord
129569 | Zig:25   | Noticed Gene the pandemonium lord
129581 | Zig:25   | Killed Sypef the pandemonium lord
129590 | Zig:25   | Found the macabre finger necklace {Finger+ rN+}
129599 | Zig:26   | Entered Level 26 of a ziggurat
129669 | Zig:26   | Reached skill level 27 in Evocations
129677 | Zig:26   | Reached skill level 27 in Armour
130137 | Zig:26   | Identified the +7 rapier "Bafoes" {heavy, Fragile rElec
                  | Dex+2}
130140 | Zig:26   | Identified the +6 war axe of the Hall of Blades {spect,
                  | rPois rF+ Int+4}
130141 | Zig:26   | Identified the +4 mace "Zel Nad" {drain, rPois Will+
                  | Stlth+}
130146 | Zig:26   | Identified the +4 trident "Lusybbir" {freeze, rPois rCorr
                  | Int+3}
130148 | Zig:26   | Identified the +0 flail "Decax" {flame, rPois Will- Int+4}
130149 | Zig:26   | Identified the ring "Atwallih" {rPois rF+ Str-4 Int+3
                  | Dex+6}
130238 | Zig:27   | Entered Level 27 of a ziggurat
130272 | Zig:27   | Found the +10 morningstar "Eos" {elec, Halo rElec}
130539 | Zig:27   | Identified the +1 buckler "Poaczos" {rC+ Int-3 SInv}
130540 | Zig:27   | Identified the ring "Ysaem" {rF+ rN+ Str+6 Dex-5}
130552 | Zig:27   | Identified the +3 mace "Grim" {antimagic, rF+ Will+}
130560 | Zig:27   | Identified the amulet of Scepticism {Faith Int+4}
130566 | Zig:27   | Identified the +7 battleaxe "Amnojo" {heavy, rCorr SInv}
130804 | Zig:27   | Identified the +0 gold dragon scales "Jeruh" {rPois rF+ rC+
                  | Dex+4}
130808 | Zig:27   | Identified the staff of fire "Mubivoz" {rF+ rC+}
132015 | Zig:1    | Entered Level 1 of a ziggurat
132096 | Zig:2    | Entered Level 2 of a ziggurat
132165 | Zig:3    | Entered Level 3 of a ziggurat
132284 | Zig:4    | Entered Level 4 of a ziggurat
132411 | Zig:5    | Entered Level 5 of a ziggurat
132415 | Zig:5    | Noticed Evehuixoju's ghost (legendary VSFi)
132417 | Zig:5    | Reached skill level 27 in Dodging
132417 | Zig:5    | Reached skill level 27 in Shields
132419 | Zig:5    | Killed Evehuixoju's ghost
132583 | Zig:6    | Entered Level 6 of a ziggurat
132586 | Zig:6    | Found the +8 whip "Snakebite" {venom, curare, rPois}
132761 | Zig:7    | Entered Level 7 of a ziggurat
132763 | Zig:7    | Reached skill level 27 in Throwing
132776 | Zig:7    | Identified the staff of death "Jaroheso" {rElec rN+}
132874 | Zig:7    | Identified the amulet "Toak" {Faith -Cast rF+ rC+++ rCorr}
132887 | Zig:7    | Identified the +0 leather armour of the Sky {Str+4}
132976 | Zig:8    | Entered Level 8 of a ziggurat
132979 | Zig:8    | Noticed a juggernaut
132980 | Zig:8    | Killed a juggernaut
132981 | Zig:8    | Reached skill level 12 in Polearms
133082 | Zig:8    | Identified the amulet of Ruenun {-Cast rF- Regen+ rCorr
                  | Dex+9}
133084 | Zig:8    | Identified the ring "Uxtox" {rPois rC+ EV+5}
133088 | Zig:8    | Identified the ring of Fixation {rN+ rCorr AC+4 Str-3
                  | Dex+4}
133098 | Zig:8    | Identified the +6 short sword "Jeukaabug" {flame, *Rage
                  | rElec rPois rC++}
133121 | Zig:9    | Entered Level 9 of a ziggurat
133126 | Zig:9    | Noticed Cycizaho the pandemonium lord
133127 | Zig:9    | Found the +15 Maxwell's patent armour {-Cast -Tele rElec
                  | Will+ rCorr}
133128 | Zig:9    | Killed Cycizaho the pandemonium lord
133264 | Zig:9    | Identified the ring "Veufi" {Fire Contam Will++ rCorr}
133270 | Zig:9    | shadowrider38: ??-tele
133270 | Zig:9    | beem: -tele[1/1]: As a status effect or randart property,
                  | refers to the {dimensional anchor} status. Basically, stops
                  | you from teleporting or blinking.
133273 | Zig:9    | Identified the +1 scimitar "Mynk" {flame, Int+6}
133279 | Zig:9    | Identified the +7 scimitar "Tapiwere" {protect, Int-3
                  | Dex+5}
133282 | Zig:9    | Identified the +0 scale mail "Wanloer" {Str+3 Dex+4}
133357 | Zig:10   | Entered Level 10 of a ziggurat
133361 | Zig:10   | Reached skill level 15 in Polearms
133363 | Zig:10   | Found the +5 demon whip "Spellbinder" {antimagic, disrupt,
                  | Will+}
133545 | Zig:10   | Identified the staff of conjuration "Yniokid" {rC+ Str-3
                  | Dex+2 SInv}
133592 | Zig:10   | Identified the ring of Xumukk {rElec rPois Will+ Str+6}
133605 | Zig:11   | Entered Level 11 of a ziggurat
133613 | Zig:11   | Reached skill level 18 in Polearms
133760 | Zig:11   | Identified the ring of Lugonu's Supremacy {Ice rPois Dex+2}
133763 | Zig:11   | Identified the +4 whip "Yhobiurgh" {drain, Str+4}
133860 | Zig:11   | Acquired a manual of Fire Magic
133862 | Zig:11   | Acquired a manual of Summonings
133869 | Zig:12   | Entered Level 12 of a ziggurat
134076 | Zig:12   | Identified the staff of conjuration "Uxeheufi" {Drain Int+3
                  | SInv}
134136 | Zig:13   | Entered Level 13 of a ziggurat
134144 | Zig:13   | Noticed Fugixufa the pandemonium lord
134145 | Zig:13   | Found the +27 heavy crossbow "Sniper" {heavy, Acc+∞ SInv}
134147 | Zig:13   | Reached skill level 21 in Polearms
134147 | Zig:13   | Killed Fugixufa the pandemonium lord
134376 | Zig:13   | Identified the amulet "Cuosiac" {Faith rPois}
134381 | Zig:13   | Identified the ring of Pyromania {rPois rN+ rCorr Int-2
                  | SInv}
134384 | Zig:13   | Identified the staff of fire "Uvinlink" {rF+ Int+3 Dex+2}
134385 | Zig:13   | Identified the +3 buckler "Kytsuky" {Regen+ Int+4}
134393 | Zig:13   | Identified the +5 dagger of Sadyg {vamp, rElec Int+5}
134402 | Zig:13   | Identified the ring of Descent {+Blink rN+ Will+}
134412 | Zig:13   | Identified the +6 sling "Riqac" {antimagic, +Blink rC+}
134498 | Zig:14   | Entered Level 14 of a ziggurat
134725 | Zig:14   | Identified the +2 robe of Yredelemnul {rC+ Dex+2}
134741 | Zig:14   | Identified the +2 ring mail "Zomiepas" {-Cast Rampage rElec
                  | rPois}
134744 | Zig:14   | Identified the ring "Lamaagg" {rElec Will+ Str+4}
134748 | Zig:14   | Identified the +6 sling "Silystir" {heavy, rElec rF+}
134754 | Zig:14   | Identified the ring "Bystryazxin" {rN+ Int+4}
134759 | Zig:14   | Identified the amulet "Febauwk" {rElec rN+ Regen+}
134779 | Zig:14   | Identified the ring "Xerretz" {Str+3 Dex+6}
134825 | Zig:15   | Entered Level 15 of a ziggurat
134851 | Zig:15   | Reached skill level 24 in Polearms
134851 | Zig:15   | Noticed Zougoal the pandemonium lord
134854 | Zig:15   | Killed Zougoal the pandemonium lord
135130 | Zig:15   | Identified the staff of poison "Muxtite" {rPois rF+ rC+
                  | Dex+2}
135234 | Zig:16   | Entered Level 16 of a ziggurat
135246 | Zig:16   | Found the +11 Singing Sword {sonic wave}
135467 | Zig:16   | Identified the +2 robe "Justi" {Drain rF+ Archmagi}
135470 | Zig:16   | Identified the +3 chain mail of Akkumos {rC- Str+3 Dex+5}
135482 | Zig:16   | Identified the staff of air "Laoleepp" {rElec rN+ Str+4}
135515 | Zig:17   | Entered Level 17 of a ziggurat
135523 | Zig:17   | Reached skill level 27 in Polearms
135528 | Zig:17   | Reached skill level 9 in Stealth
135730 | Zig:17   | Identified the +0 robe "Purits" {Dex+4}
135735 | Zig:17   | Identified the +0 cloak "Othricuas" {Fly rC+ Dex+2}
135736 | Zig:17   | Identified the staff of conjuration "Migaiqox" {rElec}
135743 | Zig:17   | Identified the ring "Wacy" {MP+9 EV+5}
135746 | Zig:17   | Identified the +5 whip of Ascent {protect, rC- Str+5 SInv}
135762 | Zig:17   | Identified the staff of cold "Lumucaxor" {rC+ rCorr Str-2
                  | SInv}
135950 | Zig:17   | Identified the staff of poison "Innatim" {rPois Str+3}
136140 | Zig:18   | Entered Level 18 of a ziggurat
136154 | Zig:18   | Reached skill level 18 in Stealth
136155 | Zig:18   | Found the +3 hat of Pondering {ponderous, Will+ MP+10
                  | Int+5}
136307 | Zig:18   | Identified the amulet "Iroynnex" {Regen+ Dex+5}
136553 | Zig:18   | Identified the +4 mace of Dithmenos, Hurtling {heavy,
                  | rElec}
136607 | Zig:19   | Entered Level 19 of a ziggurat
136608 | Zig:19   | Noticed a royal mummy
136609 | Zig:19   | Noticed a royal mummy
136609 | Zig:19   | Noticed a royal mummy
136609 | Zig:19   | Noticed a royal mummy
136609 | Zig:19   | Noticed a royal mummy
136609 | Zig:19   | Noticed a royal mummy
136609 | Zig:19   | Noticed a royal mummy
136610 | Zig:19   | Killed a royal mummy
136610 | Zig:19   | Killed a royal mummy
136610 | Zig:19   | Killed a royal mummy
136610 | Zig:19   | Noticed a royal mummy
136610 | Zig:19   | Noticed a royal mummy
136612 | Zig:19   | Noticed a royal mummy
136612 | Zig:19   | Noticed a royal mummy
136612 | Zig:19   | Noticed a royal mummy
136612 | Zig:19   | Killed a royal mummy
136613 | Zig:19   | Noticed a royal mummy
136613 | Zig:19   | Killed a royal mummy
136613 | Zig:19   | Killed a royal mummy
136613 | Zig:19   | Noticed a royal mummy
136614 | Zig:19   | Killed a royal mummy
136614 | Zig:19   | Killed a royal mummy
136614 | Zig:19   | Killed a royal mummy
136614 | Zig:19   | Killed a royal mummy
136614 | Zig:19   | Killed a royal mummy
136614 | Zig:19   | Killed a royal mummy
136614 | Zig:19   | Noticed a royal mummy
136615 | Zig:19   | Noticed a royal mummy
136618 | Zig:19   | Killed a royal mummy
136618 | Zig:19   | Killed a royal mummy
136618 | Zig:19   | Killed a royal mummy
136618 | Zig:19   | Killed a royal mummy
136619 | Zig:19   | Reached skill level 21 in Stealth
136621 | Zig:19   | Noticed a royal mummy
136622 | Zig:19   | Noticed a royal mummy
136624 | Zig:19   | Killed a royal mummy
136624 | Zig:19   | Killed a royal mummy
136818 | Zig:19   | Identified the ring "Plog" {Str+6 Int+2 Dex+3}
136820 | Zig:19   | Identified the ring "Cuummeed" {EV+5 Int+6 Dex-5}
136828 | Zig:19   | Identified the ring "Tiupp" {rElec rPois rN++ Will+}
136831 | Zig:19   | Identified the +0 scale mail "Fejiluimp" {rC+ Will+}
136832 | Zig:19   | Identified the ring of the Writhing Gods {rF+ Int+6 Stlth+}
136856 | Zig:19   | Identified the +1 longbow of the Sharing Gods {flame, rC-
                  | Will+++ rCorr SInv}
137048 | Zig:19   | Identified the staff of conjuration "Downysin" {rN+ Will+
                  | Str-3}
137085 | Zig:20   | Entered Level 20 of a ziggurat
137088 | Zig:20   | Noticed a juggernaut
137089 | Zig:20   | Killed a juggernaut
137089 | Zig:20   | Noticed a juggernaut
137089 | Zig:20   | Noticed a juggernaut
137094 | Zig:20   | Noticed a juggernaut
137094 | Zig:20   | Noticed a juggernaut
137095 | Zig:20   | Killed a juggernaut
137095 | Zig:20   | Killed a juggernaut
137096 | Zig:20   | Noticed a juggernaut
137099 | Zig:20   | Killed a juggernaut
137099 | Zig:20   | Killed a juggernaut
137099 | Zig:20   | Killed a juggernaut
137100 | Zig:20   | Reached skill level 24 in Stealth
137100 | Zig:20   | Found the +4 skin of Zhor {*Englaciate rC+++ SInv}
137101 | Zig:20   | Found the +3 salamander hide armour {Flames, rFlCloud rF++
                  | rC--}
137491 | Zig:20   | Identified the +0 fire dragon scales of Calu Cips {rPois
                  | rF++ rC-}
137501 | Zig:20   | Identified the +6 scale mail of Hoemur {Rampage}
137551 | Zig:20   | Identified the +0 helmet of Grace {Fly Will- Dex+4 SInv}
137556 | Zig:21   | Entered Level 21 of a ziggurat
137592 | Zig:21   | Noticed Ixut the pandemonium lord
137593 | Zig:21   | Killed Ixut the pandemonium lord
137594 | Zig:21   | Reached skill level 27 in Stealth
137958 | Zig:21   | Identified the staff of air "Vosmef" {rElec rC+++ rCorr
                  | Str-4 Stlth-}
137960 | Zig:21   | Identified the staff of cold "Moiluddu" {rF+ rC+ SInv
                  | Stlth+}
137973 | Zig:21   | Identified the quicksilver dragon scales "Oracken" {Will+
                  | Int+3}
137988 | Zig:21   | Identified the staff of earth "Fymna" {rPois}
137990 | Zig:21   | Reached skill level 18 in Transmutations
137995 | Zig:21   | Reached skill level 21 in Transmutations
137996 | Zig:21   | Reached skill level 21 in Fire Magic
138002 | Zig:22   | Entered Level 22 of a ziggurat
138012 | Zig:22   | Reached skill level 6 in Staves
138016 | Zig:22   | Reached skill level 9 in Staves
138361 | Zig:22   | Identified the ring "Lecaler" {rC- rN+ Str+4 SInv}
138363 | Zig:22   | Identified the +4 shortbow of the Sage {flame, Dex+5}
138393 | Zig:22   | Identified the +6 mace of Esaugg {spect, *Slow rElec rC++
                  | Str+3}
138430 | Zig:23   | Entered Level 23 of a ziggurat
138436 | Zig:23   | Identified the +0 tower shield "Otiwip" {rPois Will+}
138439 | Zig:23   | Reached skill level 12 in Staves
138439 | Zig:23   | Identified the +6 tower shield "Ceozafas" {rCorr}
138451 | Zig:23   | Reached skill level 15 in Staves
138454 | Zig:23   | Reached skill level 24 in Fire Magic
138457 | Zig:23   | Found the ring of Shadows {Umbra +Inv Stlth+}
138755 | Zig:23   | Identified the ring of Gamiryrr {Wiz Dex+4}
138757 | Zig:23   | Identified the staff of fire "Wihinaoc" {rF+ Will+}
138761 | Zig:23   | Identified the ring "Zeteypp" {Fly rF+ rN+ Str-4 Stlth+}
138762 | Zig:23   | Identified the ring "Goti" {rF+ rC+ SInv}
138820 | Zig:23   | Identified the +1 acid dragon scales of Gyik {rF+ Will+
                  | rCorr Str+3 Dex+2}
138824 | Zig:23   | Identified the amulet of Obauddotu {Acrobat +Blink}
138897 | Zig:24   | Entered Level 24 of a ziggurat
138902 | Zig:24   | Noticed an ancient lich
138902 | Zig:24   | Noticed an ancient lich
138902 | Zig:24   | Noticed a dread lich
138902 | Zig:24   | Noticed an ancient lich
138902 | Zig:24   | Noticed a dread lich
138903 | Zig:24   | Killed an ancient lich
138903 | Zig:24   | Killed an ancient lich
138904 | Zig:24   | Reached skill level 24 in Transmutations
138904 | Zig:24   | Noticed an ancient lich
138904 | Zig:24   | Noticed a dread lich
138904 | Zig:24   | Noticed a dread lich
138904 | Zig:24   | Noticed an ancient lich
138904 | Zig:24   | Noticed a dread lich
138904 | Zig:24   | Noticed an ancient lich
138905 | Zig:24   | Noticed a dread lich
138905 | Zig:24   | Noticed a dread lich
138905 | Zig:24   | Noticed an ancient lich
138905 | Zig:24   | Noticed a dread lich
138906 | Zig:24   | Noticed an ancient lich
138906 | Zig:24   | Killed a dread lich
138906 | Zig:24   | Killed an ancient lich
138906 | Zig:24   | Killed an ancient lich
138907 | Zig:24   | Killed a dread lich
138907 | Zig:24   | Killed a dread lich
138907 | Zig:24   | Killed a dread lich
138907 | Zig:24   | Killed a dread lich
138907 | Zig:24   | Killed a dread lich
138907 | Zig:24   | Killed a dread lich
138908 | Zig:24   | Noticed a dread lich
138908 | Zig:24   | Noticed an ancient lich
138909 | Zig:24   | Noticed a dread lich
138909 | Zig:24   | Noticed an ancient lich
138909 | Zig:24   | Killed an ancient lich
138909 | Zig:24   | Killed an ancient lich
138909 | Zig:24   | Killed an ancient lich
138909 | Zig:24   | Killed a dread lich
138912 | Zig:24   | Killed an ancient lich
138912 | Zig:24   | Killed a dread lich
138912 | Zig:24   | Killed an ancient lich
138913 | Zig:24   | Reached skill level 18 in Staves
138914 | Zig:24   | Killed a dread lich
138914 | Zig:24   | Killed an ancient lich
139223 | Zig:24   | Identified the +5 lajatang "Okles" {heavy, Will+ Str+3
                  | Int+7}
139234 | Zig:24   | Identified the +4 scale mail of Bitterness {rElec rF+ SInv}
139240 | Zig:24   | Identified the +7 plate armour of Caguxtup {rN+++ Str-4
                  | Dex-3 SInv}
139339 | Zig:25   | Entered Level 25 of a ziggurat
139356 | Zig:25   | Noticed Vuqaov Daurch the pandemonium lord
139359 | Zig:25   | Killed Vuqaov Daurch the pandemonium lord
139575 | Zig:25   | Identified the +3 glaive of Putrescence {heavy, rC+ Will+}
139583 | Zig:25   | Identified the +9 flail "Juycs" {antimagic, Str+2}
139590 | Zig:25   | Identified the ring of Fawuafeh {rPois Str+6 Dex+4 SInv
                  | Stlth+}
139592 | Zig:25   | Identified the +6 falchion "Geraexij" {heavy, Dex+4}
139602 | Zig:25   | Identified the amulet of Freedom {Spirit +Blink}
139603 | Zig:25   | Identified the +5 glaive of the Rat {freeze, Fragile rF+
                  | Dex+3}
139608 | Zig:25   | Identified the +0 robe of Kindness {rCorr Str+4 Slay+2}
139611 | Zig:25   | Identified the ring "Cinaw" {Fly rF+ Str+7}
139658 | Zig:25   | Identified the staff of air "Govea" {rElec rC+ Will+ Str+4
                  | Dex+2}
139663 | Zig:25   | Identified the amulet of Dauraic {Faith Int+6}
139664 | Zig:25   | Identified the ring of Iganiqus {Fly MP+9 Dex+6 Slay-6
                  | SInv}
139844 | Zig:26   | Entered Level 26 of a ziggurat
139850 | Zig:26   | Noticed an ancient lich
139850 | Zig:26   | Noticed an ancient lich
139852 | Zig:26   | Killed an ancient lich
139853 | Zig:26   | Killed an ancient lich
139855 | Zig:26   | Noticed an ancient lich
139856 | Zig:26   | Noticed an ancient lich
139857 | Zig:26   | Reached skill level 27 in Fire Magic
139857 | Zig:26   | Noticed an ancient lich
139857 | Zig:26   | Noticed an ancient lich
139857 | Zig:26   | Killed an ancient lich
139858 | Zig:26   | Noticed an ancient lich
139859 | Zig:26   | Found the ring of the Mage {Wiz Archmagi}
139860 | Zig:26   | Killed an ancient lich
139861 | Zig:26   | Reached skill level 21 in Staves
139861 | Zig:26   | Reached skill level 27 in Transmutations
139862 | Zig:26   | Killed an ancient lich
139862 | Zig:26   | Killed an ancient lich
139865 | Zig:26   | Killed an ancient lich
140086 | Zig:26   | Identified the +5 war axe of Destiny {drain, Str+2}
140254 | Zig:26   | Identified the +7 hand axe of the Immovable Towns {speed,
                  | rElec}
140281 | Zig:26   | Learned a level 1 spell: Apportation
140469 | Zig:27   | Entered Level 27 of a ziggurat
140472 | Zig:27   | Noticed Vupp the pandemonium lord
140472 | Zig:27   | Noticed Iqogoac the pandemonium lord
140473 | Zig:27   | Noticed Horit the pandemonium lord
140473 | Zig:27   | Noticed Juef the pandemonium lord
140473 | Zig:27   | Noticed Mehumoek the pandemonium lord
140474 | Zig:27   | Noticed Defiotikk the pandemonium lord
140474 | Zig:27   | Noticed Qutwiel the pandemonium lord
140474 | Zig:27   | Noticed Besob the pandemonium lord
140475 | Zig:27   | Killed Vupp the pandemonium lord
140475 | Zig:27   | Noticed Akkyxire the pandemonium lord
140476 | Zig:27   | Reached skill level 9 in Translocations
140476 | Zig:27   | Noticed Jyulodez the pandemonium lord
140476 | Zig:27   | Killed Iqogoac the pandemonium lord
140476 | Zig:27   | Killed Juef the pandemonium lord
140476 | Zig:27   | Killed Horit the pandemonium lord
140476 | Zig:27   | Killed Mehumoek the pandemonium lord
140476 | Zig:27   | Noticed Iheren the pandemonium lord
140476 | Zig:27   | Noticed Voynal the pandemonium lord
140476 | Zig:27   | Noticed Epnof the pandemonium lord
140477 | Zig:27   | Noticed Vexanlix the pandemonium lord
140479 | Zig:27   | Killed Akkyxire the pandemonium lord
140479 | Zig:27   | Killed Defiotikk the pandemonium lord
140479 | Zig:27   | Killed Qutwiel the pandemonium lord
140479 | Zig:27   | Killed Voynal the pandemonium lord
140479 | Zig:27   | Noticed Bumy the pandemonium lord
140480 | Zig:27   | Noticed Emydiegh the pandemonium lord
140480 | Zig:27   | Noticed Vosuojetz the pandemonium lord
140480 | Zig:27   | Noticed Jiuh the pandemonium lord
140480 | Zig:27   | Noticed Pueshruc the pandemonium lord
140480 | Zig:27   | Noticed Sot Rathru the pandemonium lord
140480 | Zig:27   | Noticed Daewnaq the pandemonium lord
140481 | Zig:27   | Noticed Olagil the pandemonium lord
140481 | Zig:27   | Killed Emydiegh the pandemonium lord
140481 | Zig:27   | Noticed Mappeto the pandemonium lord
140481 | Zig:27   | Noticed Daathrabb the pandemonium lord
140481 | Zig:27   | Killed Epnof the pandemonium lord
140482 | Zig:27   | Killed Besob the pandemonium lord
140482 | Zig:27   | Killed Jyulodez the pandemonium lord
140482 | Zig:27   | Killed Iheren the pandemonium lord
140482 | Zig:27   | Killed Daewnaq the pandemonium lord
140482 | Zig:27   | Noticed Genn the pandemonium lord
140482 | Zig:27   | Noticed Masulyf the pandemonium lord
140483 | Zig:27   | Killed Vexanlix the pandemonium lord
140484 | Zig:27   | Killed Daathrabb the pandemonium lord
140484 | Zig:27   | Noticed Fatopt the pandemonium lord
140484 | Zig:27   | Noticed Ocsij the pandemonium lord
140484 | Zig:27   | Noticed Mifi the pandemonium lord
140485 | Zig:27   | Reached skill level 15 in Translocations
140486 | Zig:27   | Killed Bumy the pandemonium lord
140486 | Zig:27   | Killed Vosuojetz the pandemonium lord
140486 | Zig:27   | Killed Mappeto the pandemonium lord
140486 | Zig:27   | Noticed Qele the pandemonium lord
140486 | Zig:27   | Noticed Wustoann the pandemonium lord
140486 | Zig:27   | Noticed Jyas the pandemonium lord
140486 | Zig:27   | Noticed Hiexef the pandemonium lord
140486 | Zig:27   | Noticed Tozav the pandemonium lord
140487 | Zig:27   | Killed Mifi the pandemonium lord
140487 | Zig:27   | Killed Sot Rathru the pandemonium lord
140487 | Zig:27   | Killed Tozav the pandemonium lord
140487 | Zig:27   | Noticed Tephoesu the pandemonium lord
140487 | Zig:27   | Noticed Desusete the pandemonium lord
140487 | Zig:27   | Noticed Ydghay Adwe the pandemonium lord
140487 | Zig:27   | Noticed Neng the pandemonium lord
140487 | Zig:27   | Noticed Ycyw the pandemonium lord
140488 | Zig:27   | Killed Fatopt the pandemonium lord
140488 | Zig:27   | Noticed Ahao the pandemonium lord
140489 | Zig:27   | Killed Olagil the pandemonium lord
140489 | Zig:27   | Killed Ocsij the pandemonium lord
140489 | Zig:27   | Killed Masulyf the pandemonium lord
140489 | Zig:27   | Killed Qele the pandemonium lord
140489 | Zig:27   | Noticed Kiffempe the pandemonium lord
140490 | Zig:27   | Killed Pueshruc the pandemonium lord
140490 | Zig:27   | Noticed Gamipef the pandemonium lord
140492 | Zig:27   | Killed Ydghay Adwe the pandemonium lord
140492 | Zig:27   | Killed Jiuh the pandemonium lord
140492 | Zig:27   | Killed Ycyw the pandemonium lord
140492 | Zig:27   | Noticed Mauro the pandemonium lord
140493 | Zig:27   | Killed Tephoesu the pandemonium lord
140493 | Zig:27   | Killed Jyas the pandemonium lord
140493 | Zig:27   | Killed Hiexef the pandemonium lord
140493 | Zig:27   | Killed Wustoann the pandemonium lord
140493 | Zig:27   | Killed Ahao the pandemonium lord
140493 | Zig:27   | Killed Desusete the pandemonium lord
140493 | Zig:27   | Noticed Qaib the pandemonium lord
140493 | Zig:27   | Noticed Miwekhob the pandemonium lord
140494 | Zig:27   | Killed Genn the pandemonium lord
140494 | Zig:27   | Killed Kiffempe the pandemonium lord
140494 | Zig:27   | Noticed Raseur the pandemonium lord
140494 | Zig:27   | Noticed Qyodug the pandemonium lord
140495 | Zig:27   | Reached skill level 18 in Translocations
140495 | Zig:27   | Killed Neng the pandemonium lord
140496 | Zig:27   | Noticed Zapn the pandemonium lord
140496 | Zig:27   | Noticed Haniuv the pandemonium lord
140497 | Zig:27   | Noticed Lenlamp the pandemonium lord
140497 | Zig:27   | Noticed Syhiosuo the pandemonium lord
140498 | Zig:27   | Killed Gamipef the pandemonium lord
140498 | Zig:27   | Killed Raseur the pandemonium lord
140499 | Zig:27   | Killed Zapn the pandemonium lord
140499 | Zig:27   | Killed Lenlamp the pandemonium lord
140500 | Zig:27   | Noticed Ducwez the pandemonium lord
140501 | Zig:27   | Killed Mauro the pandemonium lord
140502 | Zig:27   | Killed Qaib the pandemonium lord
140502 | Zig:27   | Killed Haniuv the pandemonium lord
140502 | Zig:27   | Killed Syhiosuo the pandemonium lord
140502 | Zig:27   | Killed Miwekhob the pandemonium lord
140504 | Zig:27   | Noticed Miatwest the pandemonium lord
140504 | Zig:27   | Killed Qyodug the pandemonium lord
140505 | Zig:27   | Noticed Vitita Fyli the pandemonium lord
140508 | Zig:27   | Killed Miatwest the pandemonium lord
140511 | Zig:27   | Killed Ducwez the pandemonium lord
140511 | Zig:27   | Killed Vitita Fyli the pandemonium lord
140731 | Zig:27   | Found the +8 mithril axe "Arga" {speed, Will+}
140840 | Zig:27   | Identified the +9 long sword "Demonbane" {heavy, rPois
                  | Str+3 Dex-5}
140842 | Zig:27   | Identified the staff of poison "Jizodd" {rPois rN+++ Will-
                  | Dex+7}
140846 | Zig:27   | Acquired 914 gold pieces
140855 | Zig:27   | Identified the ring "Earthly Heaven" {rC+ Str+3 Int+2 SInv}
140862 | Zig:27   | Identified the ring "Xemis" {Str+4 Dex+6}
140863 | Zig:27   | Identified the staff of earth "Fenkeix" {Drain rPois rC+
                  | Str+7}
140870 | Zig:27   | Identified the +3 broad axe of Capital Punishment {freeze,
                  | rF- rN+ rCorr}
140882 | Zig:27   | Reached skill level 21 in Translocations
140885 | Zig:27   | Identified the staff of cold "Ciarchu" {rC+ Dex+6}
140891 | Zig:27   | Identified the ring of Ethics {rF+ Will+ SInv}
140971 | Zig:1    | Entered Level 1 of a ziggurat
141034 | Zig:2    | Entered Level 2 of a ziggurat
141122 | Zig:3    | Entered Level 3 of a ziggurat
141122 | Zig:3    | Noticed a royal mummy
141124 | Zig:3    | Killed a royal mummy
141215 | Zig:4    | Entered Level 4 of a ziggurat
141343 | Zig:5    | Entered Level 5 of a ziggurat
141470 | Zig:5    | Identified the +9 triple sword of Oclourgh {vamp, Drain
                  | Int+5}
141499 | Zig:5    | Identified the +2 chain mail of Cihaq Ostreo {Str+5}
141503 | Zig:5    | Identified the +2 flail of Tinwod {protect, Fly rElec
                  | Will+++ Dex-2}
141523 | Zig:6    | Entered Level 6 of a ziggurat
141717 | Zig:7    | Entered Level 7 of a ziggurat
141722 | Zig:7    | Reached skill level 24 in Translocations
141726 | Zig:7    | Found the +2 Maxwell's thermic engine {flame, freeze, rev}
141885 | Zig:7    | Identified the +2 shortbow of Invincibility {heavy, rC+
                  | Int+2}
141888 | Zig:7    | Identified the +7 war axe of Ava Wean {flame, *Noise rPois
                  | Int+8 Dex-3}
141945 | Zig:7    | Acquired 862 gold pieces
141957 | Zig:8    | Entered Level 8 of a ziggurat
142146 | Zig:8    | Identified the staff of fire "Ewneurre" {rF+ MP+9}
142167 | Zig:9    | Entered Level 9 of a ziggurat
142171 | Zig:9    | Found the +4 Cigotuvi's embrace {Corpsefed rMiasma Drain
                  | rN+}
142380 | Zig:10   | Entered Level 10 of a ziggurat
142385 | Zig:10   | Noticed an ancient lich
142387 | Zig:10   | Reached skill level 27 in Translocations
142387 | Zig:10   | Reached skill level 3 in Ranged Weapons
142389 | Zig:10   | Killed an ancient lich
142391 | Zig:10   | Reached skill level 6 in Ranged Weapons
142551 | Zig:10   | Identified the +1 spear "Uku Tiu" {flame, rElec rF- MP-9
                  | Dex+7}
142552 | Zig:10   | Identified the staff of poison "Tempob" {rElec rPois rF-
                  | rCorr SInv}
142554 | Zig:10   | Identified the ring of Nobility {Ice Will+}
142572 | Zig:10   | Reached skill level 9 in Ranged Weapons
142573 | Zig:10   | Identified the +3 hand axe of the Girdle {holy, Will-
                  | Str+3}
142596 | Zig:11   | Entered Level 11 of a ziggurat
142601 | Zig:11   | Noticed an ancient lich
142601 | Zig:11   | Noticed a dread lich
142601 | Zig:11   | Noticed an ancient lich
142601 | Zig:11   | Noticed an ancient lich
142601 | Zig:11   | Noticed an ancient lich
142601 | Zig:11   | Noticed a dread lich
142601 | Zig:11   | Noticed an ancient lich
142601 | Zig:11   | Noticed an ancient lich
142601 | Zig:11   | Noticed an ancient lich
142601 | Zig:11   | Noticed a dread lich
142601 | Zig:11   | Noticed a dread lich
142601 | Zig:11   | Noticed a dread lich
142602 | Zig:11   | Killed a dread lich
142602 | Zig:11   | Killed a dread lich
142603 | Zig:11   | Reached skill level 12 in Ranged Weapons
142603 | Zig:11   | Killed a dread lich
142603 | Zig:11   | Killed an ancient lich
142603 | Zig:11   | Killed an ancient lich
142603 | Zig:11   | Killed an ancient lich
142603 | Zig:11   | Killed an ancient lich
142603 | Zig:11   | Killed an ancient lich
142603 | Zig:11   | Killed a dread lich
142603 | Zig:11   | Killed an ancient lich
142603 | Zig:11   | Killed a dread lich
142608 | Zig:11   | Killed an ancient lich
142610 | Zig:11   | Identified the +0 buckler of Hopscotch {rF+ Int+5}
142709 | Zig:11   | Identified the +4 flail of Autumn {holy, Will- Int+8}
142718 | Zig:11   | Reached skill level 15 in Ranged Weapons
142721 | Zig:11   | Identified the +0 whip of Uleff {flame, rElec rPois Will-
                  | Str+3}
142722 | Zig:11   | Identified the ring of the Bedazzled God {rF+ Str+6}
142812 | Zig:12   | Entered Level 12 of a ziggurat
143002 | Zig:12   | Identified the ring "Muadick" {Str+6 Int+2}
143023 | Zig:12   | Identified the +7 dagger "Joinuug" {vamp, rF- MP+9 Dex+2}
143025 | Zig:12   | Acquired 893 gold pieces
143064 | Zig:13   | Entered Level 13 of a ziggurat
143067 | Zig:13   | Paralysed by an air elemental for 1 turns
143071 | Zig:13   | Reached skill level 18 in Ranged Weapons
143079 | Zig:13   | Found the Hermit's Pendant {Faith Invo=14 Evo=0 MP+5}
143212 | Zig:13   | Identified the +5 glaive of the Bear {flame, Str+2}
143213 | Zig:13   | Identified the +0 quarterstaff of Causality {venom, *Slow
                  | rElec rC+ Stlth+}
143394 | Zig:14   | Entered Level 14 of a ziggurat
143400 | Zig:14   | Found the +12 glaive of Prune {freeze, Prune}
143400 | Zig:14   | Noticed deprived's ghost (legendary HOFi)
143400 | Zig:14   | Noticed Hillam's ghost (legendary DsTm)
143400 | Zig:14   | Noticed TuffENuff's ghost (legendary FoFi)
143400 | Zig:14   | Noticed frimble's ghost (legendary DsFi)
143400 | Zig:14   | Noticed Rocah's ghost (veteran GrFi)
143400 | Zig:14   | Noticed Motirgh's ghost (legendary DgHW)
143400 | Zig:14   | Noticed Zeph's ghost (adept NaFi)
143400 | Zig:14   | Noticed grandjackal's ghost (legendary DsGl)
143400 | Zig:14   | Noticed Piginabag's ghost (legendary DsSk)
143401 | Zig:14   | Noticed Walil's ghost (veteran MiMo)
143401 | Zig:14   | Noticed Unuchuin's ghost (legendary GnFi)
143401 | Zig:14   | Noticed Rocah's ghost (veteran GrFi)
143401 | Zig:14   | Noticed Denobboc's ghost (legendary OpMo)
143401 | Zig:14   | Noticed Veodywke's ghost (legendary MiBe)
143402 | Zig:14   | Noticed thechecker02's ghost (master DDFi)
143403 | Zig:14   | Killed grandjackal's ghost
143403 | Zig:14   | Killed Hillam's ghost
143403 | Zig:14   | Killed Walil's ghost
143404 | Zig:14   | Reached skill level 21 in Ranged Weapons
143404 | Zig:14   | Noticed Haitsiopt's ghost (legendary DsGl)
143404 | Zig:14   | Noticed Vuopse's ghost (legendary GnIE)
143404 | Zig:14   | Noticed Walil's ghost (veteran MiMo)
143405 | Zig:14   | Noticed Saphesar's ghost (veteran DsFi)
143405 | Zig:14   | Noticed Piginabag's ghost (veteran GnMo)
143405 | Zig:14   | Noticed Likado's ghost (legendary GnSk)
143407 | Zig:14   | Killed TuffENuff's ghost
143408 | Zig:14   | Killed Motirgh's ghost
143409 | Zig:14   | Killed frimble's ghost
143409 | Zig:14   | Killed deprived's ghost
143409 | Zig:14   | Killed Rocah's ghost
143414 | Zig:14   | Killed Piginabag's ghost
143414 | Zig:14   | Killed Rocah's ghost
143414 | Zig:14   | Killed thechecker02's ghost
143416 | Zig:14   | Killed Zeph's ghost
143420 | Zig:14   | Killed Denobboc's ghost
143426 | Zig:14   | Killed Walil's ghost
143426 | Zig:14   | Killed Piginabag's ghost
143426 | Zig:14   | Killed Unuchuin's ghost
143429 | Zig:14   | Killed Saphesar's ghost
143430 | Zig:14   | Noticed EricTams's ghost (veteran MiBe)
143434 | Zig:14   | Killed Vuopse's ghost
143442 | Zig:14   | Killed Veodywke's ghost
143446 | Zig:14   | Killed EricTams's ghost
143449 | Zig:14   | Killed Likado's ghost
143450 | Zig:14   | Killed Haitsiopt's ghost
143647 | Zig:14   | Identified the +2 ring mail of Hysteria {rF+ MP+9}
143656 | Zig:14   | Identified the +2 demon whip of Jacui {freeze, rPois rN++
                  | Int-2}
143671 | Zig:14   | Identified the staff of earth "Sootafewn" {rPois Str+2
                  | Dex+7 SInv}
143679 | Zig:14   | Identified the staff of fire "Ozosk" {rElec rF+ Str+3}
143681 | Zig:14   | Identified the ring of Rahounah {Wiz rN+ Int+2 Dex-2 SInv}
143686 | Zig:14   | Identified the +0 morningstar of Hiucvyx {vamp, Contam rN+
                  | Int+3}
143689 | Zig:14   | Identified the +0 leather armour of Wapavveow {rElec Str-3
                  | Int+2 SInv}
143691 | Zig:14   | Reached skill level 24 in Ranged Weapons
143699 | Zig:14   | Identified the ring "Pumex" {Ice *Corrode Int+3 Dex+4}
143796 | Zig:15   | Entered Level 15 of a ziggurat
143799 | Zig:15   | Noticed a royal mummy
143799 | Zig:15   | Noticed a royal mummy
143799 | Zig:15   | Noticed a royal mummy
143800 | Zig:15   | Noticed a royal mummy
143801 | Zig:15   | Noticed a royal mummy
143802 | Zig:15   | Killed a royal mummy
143802 | Zig:15   | Killed a royal mummy
143803 | Zig:15   | Noticed a royal mummy
143804 | Zig:15   | Killed a royal mummy
143804 | Zig:15   | Killed a royal mummy
143804 | Zig:15   | Killed a royal mummy
143805 | Zig:15   | Noticed a royal mummy
143807 | Zig:15   | Killed a royal mummy
143807 | Zig:15   | Noticed a royal mummy
143808 | Zig:15   | Noticed a royal mummy
143809 | Zig:15   | Noticed a royal mummy
143809 | Zig:15   | Noticed a royal mummy
143809 | Zig:15   | Noticed a royal mummy
143810 | Zig:15   | Killed a royal mummy
143810 | Zig:15   | Noticed a royal mummy
143811 | Zig:15   | Noticed a royal mummy
143812 | Zig:15   | Noticed a royal mummy
143812 | Zig:15   | Noticed a royal mummy
143813 | Zig:15   | Killed a royal mummy
143813 | Zig:15   | Killed a royal mummy
143813 | Zig:15   | Killed a royal mummy
143813 | Zig:15   | Killed a royal mummy
143813 | Zig:15   | Killed a royal mummy
143813 | Zig:15   | Killed a royal mummy
143814 | Zig:15   | Killed a royal mummy
143815 | Zig:15   | Killed a royal mummy
143816 | Zig:15   | Found the +10 dark maul {heavy}
143817 | Zig:15   | Killed a royal mummy
143833 | Zig:15   | Identified the +2 demon blade of the Real Monster {pain,
                  | *Noise rF+ rCorr Dex+4}
144001 | Zig:15   | Identified the staff of earth "Hexeluif" {rC+ Int+5}
144005 | Zig:15   | Identified the +0 dagger of Terror {drain, Int+2}
144192 | Zig:15   | Identified the staff of earth "Uqos" {Dex+2}
144240 | Zig:16   | Entered Level 16 of a ziggurat
144244 | Zig:16   | Noticed a juggernaut
144244 | Zig:16   | Noticed a juggernaut
144245 | Zig:16   | Noticed a juggernaut
144245 | Zig:16   | Killed a juggernaut
144246 | Zig:16   | Noticed a juggernaut
144248 | Zig:16   | Killed a juggernaut
144249 | Zig:16   | Noticed a juggernaut
144249 | Zig:16   | Killed a juggernaut
144250 | Zig:16   | Killed a juggernaut
144251 | Zig:16   | Reached skill level 27 in Ranged Weapons
144251 | Zig:16   | Reached skill level 6 in Short Blades
144251 | Zig:16   | Noticed a juggernaut
144251 | Zig:16   | Killed a juggernaut
144251 | Zig:16   | Noticed a juggernaut
144252 | Zig:16   | Noticed a juggernaut
144255 | Zig:16   | Reached skill level 9 in Short Blades
144257 | Zig:16   | Killed a juggernaut
144257 | Zig:16   | Killed a juggernaut
144257 | Zig:16   | Killed a juggernaut
144615 | Zig:16   | Identified the ring "Leofados" {rC+ rCorr Int+6 Dex+2}
144625 | Zig:16   | Identified the staff of conjuration "Saeddeli" {rCorr
                  | Str+3}
144697 | Zig:17   | Entered Level 17 of a ziggurat
144701 | Zig:17   | Noticed an ancient lich
144703 | Zig:17   | Noticed an ancient lich
144703 | Zig:17   | Noticed a dread lich
144704 | Zig:17   | Killed a dread lich
144706 | Zig:17   | Killed an ancient lich
144707 | Zig:17   | Noticed an ancient lich
144707 | Zig:17   | Killed an ancient lich
144708 | Zig:17   | Noticed a dread lich
144709 | Zig:17   | Reached skill level 15 in Short Blades
144709 | Zig:17   | Killed an ancient lich
144709 | Zig:17   | Noticed an ancient lich
144710 | Zig:17   | Noticed an ancient lich
144710 | Zig:17   | Noticed a dread lich
144711 | Zig:17   | Found the +1 cloak of Starlight {*Dazzle EV+4 Stlth--}
144712 | Zig:17   | Killed a dread lich
144715 | Zig:17   | Killed a dread lich
144715 | Zig:17   | Killed an ancient lich
144716 | Zig:17   | Killed an ancient lich
144717 | Zig:17   | Found the +6 arbalest "Damnation" {damnation}
144717 | Zig:17   | Found the ring of the Octopus King
144868 | Zig:17   | Identified the +1 chain mail of the Unseen Realm {rElec
                  | Str+3}
144870 | Zig:17   | Identified the +7 war axe "Ifionana" {protect, rCorr}
144902 | Zig:17   | Identified the staff of air "Teuxiamm" {rElec Str+5 Int-5}
145050 | Zig:17   | Identified a ring of the Octopus King {rCorr HP+2 AC+2 EV+2
                  | SH+2}
145065 | Zig:18   | Entered Level 18 of a ziggurat
145075 | Zig:18   | Noticed Vuopse's ghost (legendary GnIE)
145075 | Zig:18   | Noticed Xocw's ghost (legendary GrMo)
145075 | Zig:18   | Noticed reasonance's ghost (legendary HOMo)
145075 | Zig:18   | Noticed Likado's ghost (legendary GnSk)
145075 | Zig:18   | Noticed Pohawk's ghost (adept MiGl)
145075 | Zig:18   | Noticed Godueg's ghost (veteran HOFi)
145075 | Zig:18   | Noticed ragingrage's ghost (legendary OpFE)
145075 | Zig:18   | Noticed Zachydoop's ghost (veteran MiMo)
145076 | Zig:18   | Noticed Amikeex's ghost (adept TrMo)
145076 | Zig:18   | Noticed Gucom's ghost (veteran GnFi)
145077 | Zig:18   | Noticed andrewp's ghost (veteran MiBe)
145078 | Zig:18   | Noticed sleeves's ghost (legendary HuSk)
145078 | Zig:18   | Noticed corvin's ghost (legendary OgWn)
145078 | Zig:18   | Noticed Godueg's ghost (veteran HOFi)
145079 | Zig:18   | Noticed MrChinwatt's ghost (legendary DsWn)
145080 | Zig:18   | Reached skill level 18 in Short Blades
145080 | Zig:18   | Noticed Marixus's ghost (legendary DDFi)
145080 | Zig:18   | Noticed Wammos's ghost (legendary TeCj)
145080 | Zig:18   | Noticed Becvyf's ghost (legendary GnFi)
145080 | Zig:18   | Noticed Jargh's ghost (legendary FoFi)
145080 | Zig:18   | Noticed Kucykkydd's ghost (legendary MiFi)
145080 | Zig:18   | Noticed grandjackal's ghost (legendary DsGl)
145081 | Zig:18   | Noticed thechecker02's ghost (legendary DDFi)
145081 | Zig:18   | Killed Pohawk's ghost
145081 | Zig:18   | Killed ragingrage's ghost
145081 | Zig:18   | Killed Gucom's ghost
145082 | Zig:18   | Killed Zachydoop's ghost
145082 | Zig:18   | Killed Godueg's ghost
145082 | Zig:18   | Killed Xocw's ghost
145091 | Zig:18   | Killed Godueg's ghost
145093 | Zig:18   | Killed Vuopse's ghost
145095 | Zig:18   | Killed corvin's ghost
145097 | Zig:18   | Killed reasonance's ghost
145097 | Zig:18   | Killed thechecker02's ghost
145099 | Zig:18   | Noticed Diezoyro's ghost (legendary DDNe)
145100 | Zig:18   | Noticed TuffENuff's ghost (legendary FoFi)
145101 | Zig:18   | Noticed BerryKnight's ghost (legendary DgFi)
145101 | Zig:18   | Noticed frimble's ghost (adept DsGl)
145101 | Zig:18   | Noticed Denobboc's ghost (legendary OpMo)
145102 | Zig:18   | Noticed Zeph's ghost (adept NaFi)
145102 | Zig:18   | Noticed Manman's ghost (legendary HOGl)
145102 | Zig:18   | Noticed lmSkywalker's ghost (adept DrTm)
145104 | Zig:18   | Noticed GlasyaLabolas's ghost (legendary MiFi)
145105 | Zig:18   | Noticed blexxed's ghost (legendary DsFi)
145111 | Zig:18   | Noticed Saphesar's ghost (veteran DsFi)
145115 | Zig:18   | Killed Likado's ghost
145117 | Zig:18   | Killed Becvyf's ghost
145117 | Zig:18   | Killed Amikeex's ghost
145126 | Zig:18   | Killed lmSkywalker's ghost
145126 | Zig:18   | Killed Zeph's ghost
145128 | Zig:18   | Killed Saphesar's ghost
145129 | Zig:18   | Killed Jargh's ghost
145129 | Zig:18   | Killed sleeves's ghost
145129 | Zig:18   | Killed Denobboc's ghost
145129 | Zig:18   | Killed andrewp's ghost
145129 | Zig:18   | Killed MrChinwatt's ghost
145129 | Zig:18   | Killed grandjackal's ghost
145129 | Zig:18   | Killed Marixus's ghost
145130 | Zig:18   | Reached skill level 21 in Short Blades
145130 | Zig:18   | Killed Kucykkydd's ghost
145130 | Zig:18   | Killed blexxed's ghost
145130 | Zig:18   | Killed Wammos's ghost
145130 | Zig:18   | Killed Manman's ghost
145131 | Zig:18   | Killed TuffENuff's ghost
145132 | Zig:18   | Killed BerryKnight's ghost
145132 | Zig:18   | Killed GlasyaLabolas's ghost
145141 | Zig:18   | Found the -2 hat of the Alchemist {rElec rPois rF+ rC+ rN+
                  | Will+ rMut rCorr}
145162 | Zig:18   | Killed Diezoyro's ghost
145178 | Zig:18   | Killed frimble's ghost
145546 | Zig:18   | Identified the +0 ring mail "Orimuvou" {rPois rC- Str+3
                  | Int+3}
145552 | Zig:18   | Identified the ring of Sixerph {rPois Str+2}
145559 | Zig:18   | Identified the +2 scale mail of a volcano {Str+5 Dex+4}
145566 | Zig:18   | Identified the +1 plate armour of Feasting {rCorr Int+2}
145594 | Zig:19   | Entered Level 19 of a ziggurat
145607 | Zig:19   | Noticed Ydwieg the pandemonium lord
145607 | Zig:19   | Noticed Ucatodamp the pandemonium lord
145607 | Zig:19   | Noticed Oleaphio the pandemonium lord
145607 | Zig:19   | Noticed Boecax the pandemonium lord
145607 | Zig:19   | Noticed Saamosen the pandemonium lord
145607 | Zig:19   | Noticed Teliren the pandemonium lord
145607 | Zig:19   | Noticed Ocahinytei the pandemonium lord
145607 | Zig:19   | Noticed Fosaxyq the pandemonium lord
145607 | Zig:19   | Noticed Lipp the pandemonium lord
145607 | Zig:19   | Noticed Ulemamp the pandemonium lord
145607 | Zig:19   | Noticed Nupherex the pandemonium lord
145607 | Zig:19   | Noticed Dimes the pandemonium lord
145607 | Zig:19   | Noticed Neas the pandemonium lord
145607 | Zig:19   | Noticed Luvoho Yfac the pandemonium lord
145607 | Zig:19   | Noticed Pyzo the pandemonium lord
145607 | Zig:19   | Noticed Vounlump the pandemonium lord
145607 | Zig:19   | Noticed Fioneggu the pandemonium lord
145607 | Zig:19   | Noticed Voti the pandemonium lord
145607 | Zig:19   | Noticed Zesohul the pandemonium lord
145607 | Zig:19   | Noticed Gatsuwn the pandemonium lord
145607 | Zig:19   | Noticed Ineyjela the pandemonium lord
145607 | Zig:19   | Noticed Qoiloff the pandemonium lord
145607 | Zig:19   | Noticed Poemin Niso the pandemonium lord
145607 | Zig:19   | Noticed Gapsinae the pandemonium lord
145607 | Zig:19   | Noticed Monlo the pandemonium lord
145607 | Zig:19   | Noticed Joegyb the pandemonium lord
145607 | Zig:19   | Noticed Curyvol the pandemonium lord
145607 | Zig:19   | Noticed Tatsyunu the pandemonium lord
145608 | Zig:19   | Noticed Zumen the pandemonium lord
145608 | Zig:19   | Noticed Ophach the pandemonium lord
145608 | Zig:19   | Noticed Zakk the pandemonium lord
145609 | Zig:19   | Killed Lipp the pandemonium lord
145609 | Zig:19   | Killed Fosaxyq the pandemonium lord
145609 | Zig:19   | Killed Oleaphio the pandemonium lord
145609 | Zig:19   | Killed Fioneggu the pandemonium lord
145609 | Zig:19   | Killed Saamosen the pandemonium lord
145609 | Zig:19   | Killed Ocahinytei the pandemonium lord
145609 | Zig:19   | Killed Ineyjela the pandemonium lord
145609 | Zig:19   | Killed Gatsuwn the pandemonium lord
145609 | Zig:19   | Noticed Iblobuss the pandemonium lord
145609 | Zig:19   | Noticed Fipun the pandemonium lord
145609 | Zig:19   | Noticed Hafonlad the pandemonium lord
145609 | Zig:19   | Killed Boecax the pandemonium lord
145609 | Zig:19   | Killed Monlo the pandemonium lord
145609 | Zig:19   | Noticed Qeir the pandemonium lord
145610 | Zig:19   | Killed Joegyb the pandemonium lord
145610 | Zig:19   | Killed Pyzo the pandemonium lord
145610 | Zig:19   | Killed Voti the pandemonium lord
145610 | Zig:19   | Killed Poemin Niso the pandemonium lord
145610 | Zig:19   | Killed Curyvol the pandemonium lord
145610 | Zig:19   | Noticed Cannesui the pandemonium lord
145611 | Zig:19   | Killed Qoiloff the pandemonium lord
145611 | Zig:19   | Killed Ulemamp the pandemonium lord
145611 | Zig:19   | Killed Ophach the pandemonium lord
145611 | Zig:19   | Killed Dimes the pandemonium lord
145611 | Zig:19   | Killed Neas the pandemonium lord
145611 | Zig:19   | Noticed Urorum the pandemonium lord
145612 | Zig:19   | Killed Zesohul the pandemonium lord
145612 | Zig:19   | Killed Vounlump the pandemonium lord
145612 | Zig:19   | Killed Ucatodamp the pandemonium lord
145612 | Zig:19   | Noticed Tuitt the pandemonium lord
145612 | Zig:19   | Noticed Coluqaat the pandemonium lord
145613 | Zig:19   | Killed Hafonlad the pandemonium lord
145613 | Zig:19   | Killed Iblobuss the pandemonium lord
145613 | Zig:19   | Killed Teliren the pandemonium lord
145613 | Zig:19   | Killed Qeir the pandemonium lord
145613 | Zig:19   | Killed Tatsyunu the pandemonium lord
145614 | Zig:19   | Reached skill level 27 in Short Blades
145615 | Zig:19   | Killed Zakk the pandemonium lord
145615 | Zig:19   | Killed Ydwieg the pandemonium lord
145615 | Zig:19   | Killed Nupherex the pandemonium lord
145621 | Zig:19   | Killed Zumen the pandemonium lord
145622 | Zig:19   | Reached skill level 9 in Summonings
145623 | Zig:19   | Killed Gapsinae the pandemonium lord
145623 | Zig:19   | Killed Fipun the pandemonium lord
145623 | Zig:19   | Killed Luvoho Yfac the pandemonium lord
145623 | Zig:19   | Killed Cannesui the pandemonium lord
145628 | Zig:19   | Killed Coluqaat the pandemonium lord
145629 | Zig:19   | Killed Tuitt the pandemonium lord
145630 | Zig:19   | Killed Urorum the pandemonium lord
145773 | Zig:19   | Identified the staff of fire "Tegaidus" {rF+ Int+4}
145787 | Zig:19   | Identified the +2 broad axe of the Dark Horse {pain, Contam
                  | Will+ Str+5 Dex+4}
145798 | Zig:19   | Identified the +3 leather armour of the Hills {rPois Regen+
                  | Dex+2 Slay+2}
145830 | Zig:19   | Identified the +8 ice dragon scales "Vuse" {*Corrode rPois
                  | rF- rC++ Str+6 Int-5}
145852 | Zig:19   | Identified the staff of earth "Fekhlatup" {rCorr Str-2
                  | Int+3 Dex+6}
145962 | Zig:20   | Entered Level 20 of a ziggurat
145969 | Zig:20   | Reached skill level 12 in Summonings
145970 | Zig:20   | Noticed a dread lich
145970 | Zig:20   | Noticed an ancient lich
145971 | Zig:20   | Noticed a dread lich
145972 | Zig:20   | Killed a dread lich
145974 | Zig:20   | Noticed an ancient lich
145974 | Zig:20   | Killed an ancient lich
145974 | Zig:20   | Noticed a dread lich
145975 | Zig:20   | Reached skill level 15 in Summonings
145976 | Zig:20   | Killed a dread lich
145977 | Zig:20   | Noticed a dread lich
145977 | Zig:20   | Noticed an ancient lich
145977 | Zig:20   | Noticed a dread lich
145979 | Zig:20   | Noticed a dread lich
145980 | Zig:20   | Killed an ancient lich
145981 | Zig:20   | Killed a dread lich
145981 | Zig:20   | Killed a dread lich
145981 | Zig:20   | Killed a dread lich
145981 | Zig:20   | Killed an ancient lich
145981 | Zig:20   | Killed a dread lich
145982 | Zig:20   | Reached skill level 18 in Summonings
145983 | Zig:20   | Noticed a dread lich
145988 | Zig:20   | Killed a dread lich
146318 | Zig:20   | Identified the +1 pair of boots of Trial and Error {rF+++
                  | Will- Str+3}
146345 | Zig:20   | Identified the +6 dagger "Muanwyve" {flame, Will- Str+4
                  | Dex+2 Stlth+}
146358 | Zig:20   | Identified the amulet "Gonn" {RegenMP Regen+ Str+4}
146380 | Zig:20   | Identified the staff of cold "Ashra" {rC+ Str+4}
146381 | Zig:20   | Identified the staff of air "Ruecwygh" {rElec Will+ Int+3
                  | Dex+3 SInv}
146382 | Zig:20   | Identified the +9 hand axe "Orb Guardian's Curse" {flame,
                  | Int+4}
146440 | Zig:21   | Entered Level 21 of a ziggurat
146447 | Zig:21   | Noticed a royal mummy
146447 | Zig:21   | Noticed a royal mummy
146447 | Zig:21   | Noticed a royal mummy
146447 | Zig:21   | Noticed a royal mummy
146448 | Zig:21   | Killed a royal mummy
146448 | Zig:21   | Killed a royal mummy
146449 | Zig:21   | Noticed a royal mummy
146449 | Zig:21   | Noticed a royal mummy
146449 | Zig:21   | Noticed a royal mummy
146449 | Zig:21   | Noticed a royal mummy
146451 | Zig:21   | Noticed a royal mummy
146451 | Zig:21   | Noticed a royal mummy
146451 | Zig:21   | Noticed a royal mummy
146452 | Zig:21   | Noticed a royal mummy
146452 | Zig:21   | Killed a royal mummy
146452 | Zig:21   | Noticed a royal mummy
146452 | Zig:21   | Noticed a royal mummy
146453 | Zig:21   | Noticed a royal mummy
146453 | Zig:21   | Killed a royal mummy
146453 | Zig:21   | Noticed a royal mummy
146454 | Zig:21   | Reached skill level 21 in Summonings
146454 | Zig:21   | Noticed a royal mummy
146454 | Zig:21   | Noticed a royal mummy
146455 | Zig:21   | Killed a royal mummy
146455 | Zig:21   | Killed a royal mummy
146455 | Zig:21   | Killed a royal mummy
146455 | Zig:21   | Killed a royal mummy
146455 | Zig:21   | Killed a royal mummy
146455 | Zig:21   | Killed a royal mummy
146455 | Zig:21   | Killed a royal mummy
146455 | Zig:21   | Killed a royal mummy
146455 | Zig:21   | Killed a royal mummy
146455 | Zig:21   | Killed a royal mummy
146455 | Zig:21   | Killed a royal mummy
146456 | Zig:21   | Killed a royal mummy
146456 | Zig:21   | Killed a royal mummy
146456 | Zig:21   | Killed a royal mummy
146457 | Zig:21   | Noticed a royal mummy
146458 | Zig:21   | Noticed a royal mummy
146458 | Zig:21   | Noticed a royal mummy
146458 | Zig:21   | Noticed a royal mummy
146458 | Zig:21   | Noticed a royal mummy
146459 | Zig:21   | Noticed a royal mummy
146459 | Zig:21   | Noticed a royal mummy
146459 | Zig:21   | Noticed a royal mummy
146460 | Zig:21   | Noticed a royal mummy
146462 | Zig:21   | Noticed a royal mummy
146462 | Zig:21   | Noticed a royal mummy
146463 | Zig:21   | Killed a royal mummy
146463 | Zig:21   | Killed a royal mummy
146463 | Zig:21   | Killed a royal mummy
146463 | Zig:21   | Killed a royal mummy
146463 | Zig:21   | Killed a royal mummy
146463 | Zig:21   | Killed a royal mummy
146463 | Zig:21   | Noticed a royal mummy
146464 | Zig:21   | Killed a royal mummy
146464 | Zig:21   | Killed a royal mummy
146464 | Zig:21   | Killed a royal mummy
146464 | Zig:21   | Killed a royal mummy
146464 | Zig:21   | Killed a royal mummy
146464 | Zig:21   | Killed a royal mummy
146464 | Zig:21   | Noticed a royal mummy
146465 | Zig:21   | Reached skill level 24 in Summonings
146466 | Zig:21   | Noticed a royal mummy
146466 | Zig:21   | Noticed a royal mummy
146466 | Zig:21   | Noticed a royal mummy
146469 | Zig:21   | Killed a royal mummy
146469 | Zig:21   | Killed a royal mummy
146481 | Zig:21   | Killed a royal mummy
146481 | Zig:21   | Killed a royal mummy
146706 | Zig:21   | Identified the +1 battleaxe of Currency {vamp, rF+++ Dex+4
                  | Stlth-}
146710 | Zig:21   | Identified the +6 whip of Pride {antimagic, rPois Str+3}
146718 | Zig:21   | Identified the staff of poison "Golowy" {rPois rCorr SInv}
146721 | Zig:21   | Identified the +6 morningstar "Zoaj" {venom, Will+}
146726 | Zig:21   | Identified the staff of fire "Dugicos" {rF+ rN+}
146727 | Zig:21   | Identified the ring of the Will of the Gods {rCorr Dex+2}
146733 | Zig:21   | Identified the ring "Lechyas" {rF+ rN+ Str-2 Dex+3}
146985 | Zig:21   | Identified the amulet "Naeclule" {RegenMP Slay+2}
146986 | Zig:21   | Identified the +5 whip "Oquinn" {drain, Int+3 Dex+4}
147007 | Zig:22   | Entered Level 22 of a ziggurat
147021 | Zig:22   | Noticed a dread lich
147023 | Zig:22   | Noticed a dread lich
147024 | Zig:22   | Noticed an ancient lich
147025 | Zig:22   | Noticed an ancient lich
147026 | Zig:22   | Killed a dread lich
147026 | Zig:22   | Killed a dread lich
147028 | Zig:22   | Killed an ancient lich
147029 | Zig:22   | Reached skill level 27 in Summonings
147029 | Zig:22   | Reached skill level 6 in Unarmed Combat
147029 | Zig:22   | Noticed a dread lich
147030 | Zig:22   | Killed a dread lich
147031 | Zig:22   | Reached skill level 9 in Unarmed Combat
147031 | Zig:22   | Killed an ancient lich
147032 | Zig:22   | Reached skill level 12 in Unarmed Combat
147034 | Zig:22   | Noticed a dread lich
147035 | Zig:22   | Killed a dread lich
147037 | Zig:22   | Reached skill level 15 in Unarmed Combat
147379 | Zig:22   | Identified the ring "Punn" {rC- MP+9 Str+4}
147387 | Zig:22   | Identified the staff of death "Nuen" {rN+ Will+}
147393 | Zig:22   | Identified the +5 falchion "Qunnod" {protect, rPois rC++
                  | rCorr}
147400 | Zig:22   | Identified the +5 ring mail "Bifeosh Leje" {Int+3 Stlth+}
147404 | Zig:22   | Identified the staff of fire "Soha" {rF+ rCorr}
147409 | Zig:22   | Identified the +4 morningstar "Ultimatum" {flame, Dex+4}
147417 | Zig:22   | Identified the ring "Ligunleg" {rF+ rN+ Will+ Dex-4}
147466 | Zig:23   | Entered Level 23 of a ziggurat
147478 | Zig:23   | Reached skill level 18 in Unarmed Combat
147490 | Zig:23   | Reached skill level 21 in Unarmed Combat
147497 | Zig:23   | Found the +6 Majin-Bo {spellvamp, MP+6 Int+6}
147740 | Zig:23   | Identified the +0 spear of Sithous {spect, rN+}
147747 | Zig:23   | Identified the +6 long sword of the Philosopher {distort,
                  | *Corrode rF++ SInv}
147759 | Zig:23   | Identified the staff of poison "Doangat" {rPois Int+2}
147762 | Zig:23   | Identified the +9 great sword "Orb Guardian's Peril"
                  | {heavy, Int+5}
147790 | Zig:23   | Identified the +0 chain mail "Min Jasa" {Drain rPois rC+
                  | Dex+4}
147791 | Zig:23   | Identified the ring of the Thistle {rC+ Int+3 Dex+3}
147792 | Zig:23   | Identified the staff of poison "Junil" {rPois rF+ rC+
                  | Str+3}
147802 | Zig:23   | Identified the +4 spear "Icatuygh" {drain, Fragile rElec
                  | rPois Will++}
148055 | Zig:24   | Entered Level 24 of a ziggurat
148071 | Zig:24   | Reached skill level 24 in Unarmed Combat
148421 | Zig:24   | Found the +5 glaive of the Guard {elec, spectral, AC+5}
148486 | Zig:24   | Identified the +5 mace "Fimiapp" {freeze, rN+ Will+}
148490 | Zig:24   | Identified the +0 plate armour of Impressiveness {-Cast rC+
                  | rCorr}
148493 | Zig:24   | Identified the staff of earth "Ataqomavva" {rF+}
148494 | Zig:24   | Identified the staff of death "Gerodot" {rPois rN+ Int+4}
148498 | Zig:24   | Identified the staff of poison "Odae" {rPois rN+ Int+3
                  | Dex+3}
148513 | Zig:24   | Identified the +1 leather armour "Myesherr" {rElec rPois
                  | Dex+4}
148527 | Zig:24   | Identified the staff of cold "Duynim" {rF+ rC+}
148625 | Zig:25   | Entered Level 25 of a ziggurat
148636 | Zig:25   | Noticed an ancient lich
148638 | Zig:25   | Noticed a dread lich
148638 | Zig:25   | Noticed a dread lich
148638 | Zig:25   | Noticed a dread lich
148641 | Zig:25   | Noticed a dread lich
148642 | Zig:25   | Reached skill level 27 in Unarmed Combat
148642 | Zig:25   | Reached skill level 1 in Poison Magic
148642 | Zig:25   | Killed an ancient lich
148642 | Zig:25   | Noticed an ancient lich
148642 | Zig:25   | Noticed a dread lich
148643 | Zig:25   | Reached skill level 6 in Poison Magic
148643 | Zig:25   | Killed a dread lich
148644 | Zig:25   | Killed a dread lich
148644 | Zig:25   | Killed a dread lich
148645 | Zig:25   | Noticed a dread lich
148645 | Zig:25   | Noticed an ancient lich
148645 | Zig:25   | Killed an ancient lich
148646 | Zig:25   | Reached skill level 12 in Poison Magic
148646 | Zig:25   | Noticed a dread lich
148646 | Zig:25   | Noticed a dread lich
148647 | Zig:25   | Killed an ancient lich
148647 | Zig:25   | Killed a dread lich
148648 | Zig:25   | Killed a dread lich
148648 | Zig:25   | Killed a dread lich
148648 | Zig:25   | Killed a dread lich
148648 | Zig:25   | Killed a dread lich
148648 | Zig:25   | Noticed an ancient lich
148648 | Zig:25   | Noticed an ancient lich
148649 | Zig:25   | Reached skill level 15 in Poison Magic
148649 | Zig:25   | Noticed a dread lich
148649 | Zig:25   | Noticed a dread lich
148650 | Zig:25   | Noticed an ancient lich
148651 | Zig:25   | Noticed a dread lich
148652 | Zig:25   | Noticed a dread lich
148652 | Zig:25   | Killed an ancient lich
148652 | Zig:25   | Killed a dread lich
148652 | Zig:25   | Killed a dread lich
148653 | Zig:25   | Reached skill level 18 in Poison Magic
148653 | Zig:25   | Killed an ancient lich
148653 | Zig:25   | Killed an ancient lich
148656 | Zig:25   | Killed a dread lich
148656 | Zig:25   | Killed a dread lich
148657 | Zig:25   | Noticed a dread lich
148664 | Zig:25   | Found the amulet of the Air {Inacc Air Fly rElec RMsl}
148664 | Zig:25   | Killed a dread lich
148867 | Zig:25   | Identified the +4 scimitar of Imbalance {freeze, Int+2}
148873 | Zig:25   | Identified the ring "Eshroeroc" {*Slow rC- rCorr MP+9
                  | Dex+7}
148875 | Zig:25   | Identified the ring "Anil" {Contam rF- Will++ MP+9 Slay+4}
148882 | Zig:25   | Identified the ring "Qeenadoc" {AC+4 Str+2}
149203 | Zig:26   | Entered Level 26 of a ziggurat
149223 | Zig:26   | Reached skill level 21 in Poison Magic
149232 | Zig:26   | Reached skill level 24 in Poison Magic
149237 | Zig:26   | Found the +7 great mace "Undeadhunter" {deathbane, rN+}
149238 | Zig:26   | Paralysed by an air elemental for 1 turns
149713 | Zig:26   | Identified the +11 mace of Tender Mercy {flame, Will+}
149752 | Zig:26   | Identified the staff of conjuration "Ugejy" {rC+}
149760 | Zig:26   | Identified the +1 falchion "Yngeit" {drain, rCorr}
149765 | Zig:26   | Identified the +3 sling "Impbane" {freeze, *Slow Int+5}
149918 | Zig:27   | Entered Level 27 of a ziggurat
149948 | Zig:27   | Paralysed by accursed screaming for 1 turns
149976 | Zig:27   | Reached skill level 27 in Poison Magic
149992 | Zig:27   | Reached skill level 3 in Hexes
150003 | Zig:27   | Paralysed by accursed screaming for 1 turns
150016 | Zig:27   | Reached skill level 9 in Hexes
150018 | Zig:27   | Paralysed by accursed screaming for 1 turns
150024 | Zig:27   | Reached skill level 12 in Hexes
150222 | Zig:27   | Identified the amulet "Vukkyth" {rF++ Regen+ Dex-5 Slay+2
                  | SInv}
150227 | Zig:27   | Identified the ring "Haphy Kuxeu" {rElec rF+ rCorr}
150230 | Zig:27   | Identified the +0 flail of the Vendetta {drain, Str+4
                  | Dex+3}
150231 | Zig:27   | Identified the +2 dagger "Tegoxoh" {freeze, rF+ Int+2 Dex+3
                  | Stlth+}
150232 | Zig:27   | Identified the staff of conjuration "Poteof" {Dex+2}
150234 | Zig:27   | Identified the +1 robe of Xuabacs {rF+ Will++ Str+4 Dex-2}
150235 | Zig:27   | Identified the ring of Moderation {rElec Will- rCorr Str-3
                  | SInv}
150250 | Zig:27   | Identified the staff of air "Egedir" {rElec rF+++ rN+
                  | Stlth-}
150251 | Zig:27   | Identified the staff of cold "Iloosear" {rC+ MP+9 Int+4
                  | Dex-2}
150262 | Zig:27   | Reached skill level 15 in Hexes
150267 | Zig:27   | Identified the staff of cold "Aghigir" {rC+ rCorr Str+5
                  | Dex-3}
150271 | Zig:27   | Identified the ring of Wisdom {Fly rF+ MP+9 Int+2}
150276 | Zig:27   | Identified the +0 scale mail of Failure {Harm}
150283 | Zig:27   | Identified the +3 chain mail of the Echidna {rCorr Str+4}
150285 | Zig:27   | Identified the +2 scimitar "Bugif" {freeze, Int+3}
150829 | Zig:1    | Entered Level 1 of a ziggurat
151011 | Zig:2    | Entered Level 2 of a ziggurat
151011 | Zig:2    | Noticed an ancient lich
151011 | Zig:2    | Noticed a dread lich
151014 | Zig:2    | Killed a dread lich
151015 | Zig:2    | Killed an ancient lich
151151 | Zig:3    | Entered Level 3 of a ziggurat
151251 | Zig:4    | Entered Level 4 of a ziggurat
151257 | Zig:4    | Reached skill level 18 in Hexes
151345 | Zig:4    | Identified the +0 crystal plate armour "Azuxkec" {rPois rN+
                  | Str-4 Int+4}
151364 | Zig:5    | Entered Level 5 of a ziggurat
151502 | Zig:5    | Identified the +5 scale mail "Woonepn" {Str+3 Int-2 Dex+2}
151508 | Zig:5    | Identified the +2 plate armour of Ru's Reproof {Int+2}
151562 | Zig:6    | Entered Level 6 of a ziggurat
151732 | Zig:6    | Identified the +1 dire flail of Oozing Pus {freeze, *Rage
                  | Int+4 Dex+5}
151765 | Zig:7    | Entered Level 7 of a ziggurat
151770 | Zig:7    | Noticed a dread lich
151771 | Zig:7    | Reached skill level 21 in Hexes
151771 | Zig:7    | Killed a dread lich
151893 | Zig:7    | Identified the +8 broad axe of Eternal Vigilance {heavy,
                  | Str+4}
151896 | Zig:7    | Identified the +0 leather armour of the Swamp {rPois rN+}
151974 | Zig:8    | Entered Level 8 of a ziggurat
151978 | Zig:8    | Noticed ragingrage's ghost (legendary OpFE)
151979 | Zig:8    | Noticed Qatinlae's ghost (veteran DEFE)
151979 | Zig:8    | Noticed Jargh's ghost (legendary FoFi)
151980 | Zig:8    | Noticed Ubraesch's ghost (adept TrMo)
151980 | Zig:8    | Noticed Polaczum's ghost (adept TrMo)
151981 | Zig:8    | Noticed corvin's ghost (legendary OgWn)
151981 | Zig:8    | Noticed Zachydoop's ghost (veteran MiMo)
151983 | Zig:8    | Killed Qatinlae's ghost
151983 | Zig:8    | Killed Ubraesch's ghost
151985 | Zig:8    | Noticed agentgt's ghost (legendary MiCK)
151988 | Zig:8    | Killed Jargh's ghost
151988 | Zig:8    | Killed corvin's ghost
151988 | Zig:8    | Killed ragingrage's ghost
151988 | Zig:8    | Killed Polaczum's ghost
151991 | Zig:8    | Killed Zachydoop's ghost
151992 | Zig:8    | Reached skill level 24 in Hexes
151994 | Zig:8    | Killed agentgt's ghost
152160 | Zig:8    | Identified the +10 falchion "Demonspawn's Curse"
                  | {antimagic, Dex+2}
152197 | Zig:8    | Identified the +7 flail of Anguish {antimagic, rF+ Int+4}
152207 | Zig:9    | Entered Level 9 of a ziggurat
152325 | Zig:9    | Identified the staff of fire "Nosam" {rF+ rN+ rCorr}
152341 | Zig:9    | Identified the staff of air "Qogom" {rElec rN+ MP+9 Str-3
                  | Int+4}
152458 | Zig:10   | Entered Level 10 of a ziggurat
152470 | Zig:10   | Found the +3 warlock's mirror {omnireflect}
152470 | Zig:10   | Found the +3 greatsling "Punk" {acid, rCorr}
152707 | Zig:10   | Identified the +10 war axe of the Screaming Gods {venom,
                  | Fragile rElec rC+++ Str+3}
152713 | Zig:10   | Identified the +2 scale mail "Wuef" {Will- rCorr Str+2
                  | Int+4}
152783 | Zig:11   | Entered Level 11 of a ziggurat
152791 | Zig:11   | Reached skill level 27 in Hexes
152805 | Zig:11   | Reached skill level 12 in Axes
152982 | Zig:11   | Identified the +1 rapier "Fakhyqee" {heavy, Dex+5}
152985 | Zig:11   | Identified the +0 plate armour of the Disturbing Ears
                  | {Will+ Regen+ Dex+3}
152998 | Zig:11   | Identified the staff of air "Atiuzaphuti" {rElec rPois rN+
                  | Dex+2}
153000 | Zig:11   | Identified the +6 battleaxe "Mebuagg" {antimagic, rElec
                  | rCorr Stlth+}
153089 | Zig:12   | Entered Level 12 of a ziggurat
153095 | Zig:12   | Found the +7 lajatang of Order {silver, rMut}
153095 | Zig:12   | Noticed a juggernaut
153095 | Zig:12   | Noticed a juggernaut
153095 | Zig:12   | Noticed a juggernaut
153095 | Zig:12   | Noticed a juggernaut
153095 | Zig:12   | Noticed a juggernaut
153095 | Zig:12   | Noticed a juggernaut
153095 | Zig:12   | Noticed a juggernaut
153095 | Zig:12   | Noticed a juggernaut
153095 | Zig:12   | Noticed a juggernaut
153095 | Zig:12   | Noticed a juggernaut
153097 | Zig:12   | Reached skill level 15 in Axes
153097 | Zig:12   | Killed a juggernaut
153097 | Zig:12   | Killed a juggernaut
153097 | Zig:12   | Killed a juggernaut
153097 | Zig:12   | Killed a juggernaut
153097 | Zig:12   | Killed a juggernaut
153097 | Zig:12   | Killed a juggernaut
153098 | Zig:12   | Killed a juggernaut
153098 | Zig:12   | Noticed a juggernaut
153100 | Zig:12   | Killed a juggernaut
153100 | Zig:12   | Killed a juggernaut
153100 | Zig:12   | Killed a juggernaut
153101 | Zig:12   | Reached skill level 18 in Axes
153103 | Zig:12   | Killed a juggernaut
153265 | Zig:12   | Identified the +9 sling "Evyont" {flame, rC- Will+ Stlth+}
153316 | Zig:12   | Identified the ring "Baistrel" {rC+ rN++ rCorr Str-4 Int+3}
153359 | Zig:12   | Identified the +8 spear of Soft Integrity {protect, *Noise
                  | rC++ Will+ Stlth+}
153366 | Zig:12   | Identified the +3 morningstar of Qoeco {speed, Will+}
153414 | Zig:13   | Entered Level 13 of a ziggurat
153419 | Zig:13   | Noticed a dread lich
153419 | Zig:13   | Noticed a dread lich
153419 | Zig:13   | Noticed an ancient lich
153419 | Zig:13   | Noticed a dread lich
153420 | Zig:13   | Noticed a dread lich
153420 | Zig:13   | Killed a dread lich
153420 | Zig:13   | Killed a dread lich
153421 | Zig:13   | Noticed a dread lich
153421 | Zig:13   | Noticed a dread lich
153424 | Zig:13   | Noticed an ancient lich
153425 | Zig:13   | Killed a dread lich
153425 | Zig:13   | Killed a dread lich
153425 | Zig:13   | Killed an ancient lich
153425 | Zig:13   | Killed a dread lich
153425 | Zig:13   | Noticed an ancient lich
153426 | Zig:13   | Reached skill level 21 in Axes
153427 | Zig:13   | Killed an ancient lich
153427 | Zig:13   | Killed a dread lich
153427 | Zig:13   | Killed an ancient lich
153557 | Zig:13   | Identified the +0 quick blade of Lies {flame, Str+4}
153558 | Zig:13   | Identified the staff of conjuration "Vauwoy" {Int+3}
153708 | Zig:14   | Entered Level 14 of a ziggurat
153716 | Zig:14   | Noticed a juggernaut
153720 | Zig:14   | Found the +10 tower shield of Ignorance {rN+ Int-4}
153720 | Zig:14   | Found the +12 pair of quick blades "Gyre" and "Gimble"
                  | {protect}
153721 | Zig:14   | Noticed a juggernaut
153724 | Zig:14   | Noticed a juggernaut
153726 | Zig:14   | Killed a juggernaut
153726 | Zig:14   | Killed a juggernaut
153726 | Zig:14   | Killed a juggernaut
154053 | Zig:14   | Identified the +8 shortbow of the Forgotten Wars {flame,
                  | rC+ Will+ rCorr}
154062 | Zig:14   | Identified the +5 spear of Instinct {heavy, rC+ Str+3 Int-5
                  | Dex+4}
154069 | Zig:14   | Identified the +2 spear of Distraction {heavy, *Slow rPois
                  | Will++ Dex+3}
154192 | Zig:15   | Entered Level 15 of a ziggurat
154197 | Zig:15   | Noticed a dread lich
154200 | Zig:15   | Noticed an ancient lich
154201 | Zig:15   | Noticed an ancient lich
154201 | Zig:15   | Noticed a dread lich
154203 | Zig:15   | Reached skill level 24 in Axes
154204 | Zig:15   | Noticed an ancient lich
154204 | Zig:15   | Killed a dread lich
154204 | Zig:15   | Killed an ancient lich
154205 | Zig:15   | Noticed an ancient lich
154205 | Zig:15   | Noticed a dread lich
154205 | Zig:15   | Killed a dread lich
154205 | Zig:15   | Killed an ancient lich
154205 | Zig:15   | Noticed an ancient lich
154206 | Zig:15   | Noticed a dread lich
154208 | Zig:15   | Killed an ancient lich
154208 | Zig:15   | Killed an ancient lich
154208 | Zig:15   | Killed an ancient lich
154208 | Zig:15   | Killed a dread lich
154208 | Zig:15   | Killed a dread lich
154565 | Zig:15   | Identified the staff of death "Xyecrim" {rElec rC+ rN+
                  | Dex+2}
154571 | Zig:15   | Identified the staff of fire "Niski" {rF+ rN+ Str-4 Dex+3}
154588 | Zig:16   | Entered Level 16 of a ziggurat
154601 | Zig:16   | Noticed a dread lich
154604 | Zig:16   | Killed a dread lich
154605 | Zig:16   | Reached skill level 27 in Axes
154605 | Zig:16   | Reached skill level 3 in Long Blades
154605 | Zig:16   | Reached skill level 3 in Maces & Flails
154608 | Zig:16   | Reached skill level 6 in Maces & Flails
154610 | Zig:16   | Reached skill level 6 in Long Blades
154610 | Zig:16   | Found the amulet of Elemental Vulnerability {rPois rF--
                  | rC-- AC+8}
154867 | Zig:16   | Identified the +4 war axe of Uskayaw's Whim {heavy, *Rage
                  | +Blink rPois Str+3}
154894 | Zig:16   | Identified the staff of death "Juaty" {rPois rF- rN+ Int+3
                  | Dex+3}
154900 | Zig:16   | Identified the +11 long sword of Causality {spect, Dex+4
                  | Stlth-}
154920 | Zig:16   | Identified the +9 spear of Crawling {flame, Int+3 Stlth+}
154921 | Zig:16   | Identified the staff of fire "Gizas" {rF+ Will+ Int+2}
155008 | Zig:17   | Entered Level 17 of a ziggurat
155032 | Zig:17   | Reached skill level 9 in Long Blades
155032 | Zig:17   | Reached skill level 9 in Maces & Flails
155218 | Zig:17   | Identified the +1 mace "Umatsocs" {vamp, rF+}
155220 | Zig:17   | Identified the +6 hand axe of the Contumacious God {vamp,
                  | Contam +Blink Dex+3}
155221 | Zig:17   | Identified the +1 robe of Bewnuc {Drain rPois Will+ MP+9}
155222 | Zig:17   | Identified the staff of death "Tuokkiwim" {rN+ Str-2 Int+3
                  | Stlth+}
155227 | Zig:17   | Identified the ring "Winua" {Ice rPois Will+ Int+4}
155229 | Zig:17   | Identified the scarf "Zuj Curch" {harm, rC++}
155425 | Zig:18   | Entered Level 18 of a ziggurat
155435 | Zig:18   | Noticed an ancient lich
155436 | Zig:18   | Killed an ancient lich
155437 | Zig:18   | Reached skill level 24 in Staves
155438 | Zig:18   | Noticed a dread lich
155439 | Zig:18   | Noticed a dread lich
155441 | Zig:18   | Reached skill level 12 in Long Blades
155441 | Zig:18   | Reached skill level 12 in Maces & Flails
155444 | Zig:18   | Killed a dread lich
155445 | Zig:18   | Killed a dread lich
155639 | Zig:18   | Identified the amulet "Oqothrood" {RegenMP rPois rCorr
                  | Str-3 Slay+5}
155658 | Zig:18   | Identified the +3 dagger "Xint" {drain, rC+ Will+}
155672 | Zig:18   | Identified the ring "Tuggeamu" {rF+ Will+ Str+3}
155674 | Zig:18   | Identified the staff of cold "Meuloh" {rC+ Dex+4}
155684 | Zig:18   | Identified the +1 plate armour of Qazlal's Benevolence
                  | {*Corrode Will+ Str+7}
155691 | Zig:18   | Identified the +6 double sword "Zekups" {antimagic, Int+2}
155699 | Zig:18   | Identified the +4 scimitar "Niroyh" {chaos, Fly Str-2 Int+3
                  | Dex+6}
155703 | Zig:18   | Identified the +4 troll leather armour of Melancholy {rElec
                  | Regen+}
155851 | Zig:19   | Entered Level 19 of a ziggurat
155857 | Zig:19   | Noticed Zac Epp the pandemonium lord
155859 | Zig:19   | Noticed Xofieck the pandemonium lord
155860 | Zig:19   | Noticed Yvyuzel the pandemonium lord
155860 | Zig:19   | Noticed Oxeab the pandemonium lord
155862 | Zig:19   | Noticed Suan Has the pandemonium lord
155862 | Zig:19   | Noticed Ynni the pandemonium lord
155866 | Zig:19   | Noticed Hoff the pandemonium lord
155867 | Zig:19   | Noticed Luttomuj the pandemonium lord
155867 | Zig:19   | Noticed Gyg Mofeci the pandemonium lord
155868 | Zig:19   | Killed Xofieck the pandemonium lord
155868 | Zig:19   | Killed Oxeab the pandemonium lord
155868 | Zig:19   | Noticed Acsizai the pandemonium lord
155869 | Zig:19   | Killed Suan Has the pandemonium lord
155869 | Zig:19   | Noticed Mufforu the pandemonium lord
155870 | Zig:19   | Killed Ynni the pandemonium lord
155870 | Zig:19   | Killed Hoff the pandemonium lord
155870 | Zig:19   | Noticed Luital the pandemonium lord
155870 | Zig:19   | Noticed Zeyz the pandemonium lord
155871 | Zig:19   | Noticed Coeraje the pandemonium lord
155871 | Zig:19   | Noticed Vaeduah the pandemonium lord
155871 | Zig:19   | Killed Mufforu the pandemonium lord
155872 | Zig:19   | Noticed Ridwiu the pandemonium lord
155872 | Zig:19   | Killed Luttomuj the pandemonium lord
155872 | Zig:19   | Killed Gyg Mofeci the pandemonium lord
155873 | Zig:19   | Killed Zac Epp the pandemonium lord
155873 | Zig:19   | Noticed Uqiafou the pandemonium lord
155873 | Zig:19   | Noticed Obbonut the pandemonium lord
155874 | Zig:19   | Noticed Pagat the pandemonium lord
155874 | Zig:19   | Noticed Caenlag the pandemonium lord
155874 | Zig:19   | Noticed Soalosm the pandemonium lord
155876 | Zig:19   | Killed Zeyz the pandemonium lord
155877 | Zig:19   | Killed Acsizai the pandemonium lord
155877 | Zig:19   | Killed Yvyuzel the pandemonium lord
155877 | Zig:19   | Killed Vaeduah the pandemonium lord
155877 | Zig:19   | Noticed Inlu the pandemonium lord
155877 | Zig:19   | Noticed Uddice the pandemonium lord
155878 | Zig:19   | Noticed Ruzxio the pandemonium lord
155878 | Zig:19   | Noticed Daeneif the pandemonium lord
155878 | Zig:19   | Noticed Miul the pandemonium lord
155879 | Zig:19   | Killed Ridwiu the pandemonium lord
155879 | Zig:19   | Killed Caenlag the pandemonium lord
155879 | Zig:19   | Killed Obbonut the pandemonium lord
155879 | Zig:19   | Killed Daeneif the pandemonium lord
155879 | Zig:19   | Killed Ruzxio the pandemonium lord
155879 | Zig:19   | Killed Coeraje the pandemonium lord
155879 | Zig:19   | Killed Miul the pandemonium lord
155879 | Zig:19   | Noticed Kafepixt the pandemonium lord
155880 | Zig:19   | Killed Pagat the pandemonium lord
155880 | Zig:19   | Killed Uqiafou the pandemonium lord
155880 | Zig:19   | Noticed Loluak the pandemonium lord
155881 | Zig:19   | Noticed Tahock the pandemonium lord
155881 | Zig:19   | Noticed Ynnuath the pandemonium lord
155881 | Zig:19   | Noticed Xefaewuo the pandemonium lord
155881 | Zig:19   | Killed Kafepixt the pandemonium lord
155882 | Zig:19   | Noticed Omunama the pandemonium lord
155882 | Zig:19   | Noticed Goheffif the pandemonium lord
155882 | Zig:19   | Noticed Senunut the pandemonium lord
155882 | Zig:19   | Killed Omunama the pandemonium lord
155882 | Zig:19   | Killed Luital the pandemonium lord
155882 | Zig:19   | Killed Senunut the pandemonium lord
155882 | Zig:19   | Killed Soalosm the pandemonium lord
155882 | Zig:19   | Killed Goheffif the pandemonium lord
155883 | Zig:19   | Reached skill level 15 in Long Blades
155883 | Zig:19   | Reached skill level 15 in Maces & Flails
155883 | Zig:19   | Noticed Zahadamo the pandemonium lord
155884 | Zig:19   | Killed Inlu the pandemonium lord
155884 | Zig:19   | Killed Loluak the pandemonium lord
155884 | Zig:19   | Killed Uddice the pandemonium lord
155885 | Zig:19   | Killed Xefaewuo the pandemonium lord
155885 | Zig:19   | Killed Zahadamo the pandemonium lord
155886 | Zig:19   | Killed Ynnuath the pandemonium lord
155887 | Zig:19   | Killed Tahock the pandemonium lord
155888 | Zig:19   | Noticed Vopriown the pandemonium lord
155888 | Zig:19   | Noticed Faank the pandemonium lord
155889 | Zig:19   | Noticed Iqivycoep the pandemonium lord
155890 | Zig:19   | Noticed Kiruanle the pandemonium lord
155890 | Zig:19   | Noticed Wymuh the pandemonium lord
155892 | Zig:19   | Killed Iqivycoep the pandemonium lord
155893 | Zig:19   | Killed Kiruanle the pandemonium lord
155894 | Zig:19   | Killed Faank the pandemonium lord
155895 | Zig:19   | Killed Wymuh the pandemonium lord
155906 | Zig:19   | Killed Vopriown the pandemonium lord
156293 | Zig:19   | Identified the +0 halberd of the Stopping Seeker {protect,
                  | Int+2}
156295 | Zig:19   | Identified the +1 plate armour "Liurch" {Fly rPois rN+
                  | Dex-5}
156311 | Zig:19   | Identified the ring "Hocoyg" {rPois Str+2 Int+6 Dex+2}
156367 | Zig:19   | Reached skill level 27 in Staves
156372 | Zig:20   | Entered Level 20 of a ziggurat
156391 | Zig:20   | Reached skill level 18 in Long Blades
156391 | Zig:20   | Reached skill level 18 in Maces & Flails
156399 | Zig:20   | Found the +8 orange crystal plate armour {Archmagi, Int+3
                  | Clar}
156707 | Zig:20   | Identified the staff of death "Giruyw" {rF+ rN+}
156755 | Zig:20   | Identified the amulet of Naicsuut {Reflect rPois rF+ Int+5
                  | SH+5}
156756 | Zig:20   | Identified the +2 ring mail of Seemagas {SInv}
156758 | Zig:20   | Identified the +1 scale mail of Failure {rElec rF+ Regen+
                  | Slay-5}
156763 | Zig:20   | Identified the +4 shortbow "Fuisch" {flame, rElec Str+4
                  | Dex-4 Stlth+}
156769 | Zig:20   | Identified the +9 flail of the Lonely Mice {pain, *Noise
                  | Fragile rN+++ Will++}
156787 | Zig:20   | Identified the amulet "Orevath" {rC+ Will+ Regen+ Int+4
                  | SInv}
156871 | Zig:21   | Entered Level 21 of a ziggurat
156888 | Zig:21   | Reached skill level 21 in Long Blades
156889 | Zig:21   | Reached skill level 21 in Maces & Flails
156897 | Zig:21   | Found the +8 lance "Wyrmbane" {slay drac, rPois rF+ rC+
                  | AC+3}
157067 | Zig:21   | Identified the ring of Nuulyra {*Slow rF+ rCorr Str+2}
157073 | Zig:21   | Identified the staff of fire "Zeismoy" {+Blink rPois rF+
                  | Will+ Int+3}
157074 | Zig:21   | Identified the +4 sling of Feiwyripp {speed, rN+++ Str+9
                  | Int-3 Dex-2}
157075 | Zig:21   | Identified the staff of earth "Raruskal" {rCorr Dex+2}
157077 | Zig:21   | Identified the +4 scale mail "Diub Venk" {Harm *Slow Regen+
                  | SInv}
157079 | Zig:21   | Identified the staff of fire "Kitwud" {rF+ Int+4}
157081 | Zig:21   | Identified the staff of conjuration "Gywn" {rCorr Str+3}
157518 | Zig:22   | Entered Level 22 of a ziggurat
157554 | Zig:22   | Found the +8 Vampire's Tooth {megavamp}
157775 | Zig:22   | Identified the +2 pair of boots "Eseoghoi" {Harm Regen+
                  | Dex-3}
157787 | Zig:22   | Identified the ring "Ypnose" {rElec Will++ SInv}
157802 | Zig:22   | Identified the +0 leather armour of Emein {Regen+ Dex+3}
157805 | Zig:22   | Identified the ring "Caec Iju" {rC- Dex+6 SInv}
157808 | Zig:22   | Identified the staff of earth "Qibiuz" {rF+ rN+ Str+6}
157920 | Zig:22   | Identified the +5 battleaxe "Widowmaker" {flame, rN+}
157930 | Zig:22   | Identified the staff of earth "Palaemec" {rElec rF- rCorr
                  | Dex-4}
158061 | Zig:23   | Entered Level 23 of a ziggurat
158081 | Zig:23   | Noticed an ancient lich
158087 | Zig:23   | Noticed a dread lich
158089 | Zig:23   | Killed an ancient lich
158090 | Zig:23   | Reached skill level 24 in Long Blades
158090 | Zig:23   | Reached skill level 24 in Maces & Flails
158091 | Zig:23   | Killed a dread lich
158102 | Zig:23   | Found the ring of the Octopus King
158312 | Zig:23   | Found the +5 scythe "Finisher" {speed, execute}
158324 | Zig:23   | Identified the +7 spear "Goawu" {flame, MP+9 Dex+3}
158329 | Zig:23   | Identified the +10 mace of Moblakhle {protect, rCorr Int+4
                  | Stlth+}
158334 | Zig:23   | Identified the +6 sling of Tartarus {drain, rF+}
158338 | Zig:23   | Identified the ring of Cifeekhi {Ice Int+6}
158341 | Zig:23   | Identified the +6 flail "Killer Klown's Death" {heavy,
                  | rPois Will- Stlth+}
158343 | Zig:23   | Identified the +5 arbalest of Patterns {penet, rN+ Str+4}
158347 | Zig:23   | Identified the ring of Iplamoll {rN+ Will+ Stlth+}
158352 | Zig:23   | Identified the +0 plate armour "Maev" {*Corrode rF+ rN++
                  | Stlth+}
158357 | Zig:23   | Identified the amulet "Poid" {RegenMP rC+ Will+ Int+5}
158367 | Zig:23   | Identified the amulet "Zomao" {Acrobat rN+ Int+3}
158370 | Zig:23   | Identified the ring "Seivien" {rElec rC+ Will+}
158373 | Zig:23   | Identified a ring of the Octopus King {HP+2 AC+2 EV+2 SH+2
                  | SInv}
158586 | Zig:24   | Entered Level 24 of a ziggurat
158626 | Zig:24   | Reached skill level 27 in Long Blades
158626 | Zig:24   | Noticed Fowuluol the pandemonium lord
158628 | Zig:24   | Reached skill level 27 in Maces & Flails
158630 | Zig:24   | Killed Fowuluol the pandemonium lord
158631 | Zig:24   | Reached skill level 9 in Invocations
159068 | Zig:24   | Identified the staff of air "Aruzirch" {rElec rF+ Dex+2
                  | SInv Stlth+}
159081 | Zig:24   | Identified the +1 chain mail of a Gauntlet {rElec}
159094 | Zig:24   | Identified the +2 war axe "Lulesoas" {freeze, Fly}
159096 | Zig:24   | Identified the +0 chain mail of the Moneychanger {rElec
                  | MP+9 Int+3}
159177 | Zig:24   | Reached skill level 15 in Invocations
159180 | Zig:24   | Reached skill level 18 in Invocations
159203 | Zig:25   | Entered Level 25 of a ziggurat
159219 | Zig:25   | Reached skill level 21 in Invocations
159224 | Zig:25   | Reached skill level 24 in Invocations
159234 | Zig:25   | Reached skill level 27 in Invocations
159237 | Zig:25   | Found the +8 demon blade "Leech" {evervamp, Harm Drain rN+}
159400 | Zig:25   | Identified the +6 chain mail of the Armoured One {rPois
                  | Str-4 SInv}
159417 | Zig:25   | Identified the staff of air "Joviff" {Fly rElec Int+2}
159419 | Zig:25   | Identified the +1 scale mail "Nocud" {Rampage Will+ Str-2
                  | Int+3}
159424 | Zig:25   | Identified the ring "Vetryucs" {rElec rF+ Slay-4 SInv}
159559 | Zig:25   | Identified the staff of conjuration "Hiamnuf" {MP+9 Int+2}
159962 | Zig:26   | Entered Level 26 of a ziggurat
160443 | Zig:26   | Identified the staff of poison "Durphiutiu" {+Blink rPois
                  | MP-9 Int+6}
160448 | Zig:26   | Identified the +4 falchion of the Chewing Seer {speed,
                  | rElec SInv}
160469 | Zig:26   | Identified the staff of death "San Ynoevyi" {rN+ rCorr MP+9
                  | Int-2 SInv}
160471 | Zig:26   | Identified the staff of fire "Ytrus" {rF+ Dex+6}
160472 | Zig:26   | Identified the ring "Elac Ola" {Fly rF+ rC+ Str-2}
160484 | Zig:26   | Identified the amulet of Fimesid {Spirit rElec Str-4 Dex+3
                  | SInv}
160618 | Zig:27   | Entered Level 27 of a ziggurat
160654 | Zig:27   | Found the +9 staff of Olgreb {rPois∞}
160664 | Zig:27   | Found the +5 woodcutter's axe
160666 | Zig:27   | Found the +5 Force Lance {heavy, knockback}
160887 | Zig:27   | Identified the ring of Tiwkuwekk {Wiz rN++ Will+ Str-2
                  | Slay+2}
160895 | Zig:27   | Identified the +5 battleaxe "Ceedwutu" {drain, Dex+3}
160898 | Zig:27   | Identified the ring "Saorphus" {Fire rPois Str+8 Slay-4}
160899 | Zig:27   | Identified the staff of earth "Jiaciedi" {rPois rC- Int+2
                  | Dex+2}
160907 | Zig:27   | Identified the ring "Secacigh" {rElec rC+++ rCorr SInv}
160909 | Zig:27   | Identified the +2 trident of Perfectionism {heavy, Str+3}
160919 | Zig:27   | Identified the +5 flail "Puuhufuv" {antimagic, rF+ rN+
                  | Str+2}
160925 | Zig:27   | Acquired the +2 cloak of Henotheism {Rampage Drain rElec
                  | rF+++}
160937 | Zig:27   | Identified the amulet "Kiniodof" {RegenMP Fragile rN++}
160939 | Zig:27   | Identified the +1 short sword of Weqemm {drain, Fragile
                  | rElec rPois rN+}
160946 | Zig:27   | Identified the ring "Gaolea" {rElec rPois rC+ Str+3}
160950 | Zig:27   | Identified the staff of death "Juiqeune" {rPois rN+}
160962 | Zig:27   | Identified the +3 ring mail of Classification {Contam Harm
                  | rF++ Int+4}
161215 | Zig:27   | Identified the staff of poison "Voameso" {rPois rC- Int+2
                  | Dex+5}
161221 | Zig:27   | Identified the ring of Sawepse {SInv Stlth+}
161225 | Zig:27   | Identified the +1 long sword "Aniqar" {protect, rPois rF+}
161229 | Zig:27   | Identified the staff of cold "Piuzav" {Drain rC+ Str+8}
161380 | Depths:1 | Tricky101: ez
161380 | Depths:1 | Tricky101: win
161380 | Depths:1 | shadowrider38: not really
161380 | Depths:1 | Tricky101: you got this
161380 | Depths:1 | shadowrider38: thanks
161380 | Depths:1 | Tricky101: u doing same as val?
161380 | Depths:1 | shadowrider38: yeah
161380 | Depths:1 | shadowrider38: just slower
161383 | Depths:1 | Tricky101: nice
161436 | Zig:1    | Entered Level 1 of a ziggurat
161525 | Zig:2    | Entered Level 2 of a ziggurat
161606 | Zig:3    | Entered Level 3 of a ziggurat
161608 | Zig:3    | Noticed a dread lich
161609 | Zig:3    | Killed a dread lich
161682 | Zig:3    | Identified the +2 trident "Rufunim" {venom, MP+9 Str+4}
161729 | Zig:4    | Entered Level 4 of a ziggurat
161731 | Zig:4    | Found the ring of the Octopus King
161833 | Zig:4    | Identified a ring of the Octopus King {rN+ HP+2 AC+2 EV+2
                  | SH+2}
161862 | Zig:5    | Entered Level 5 of a ziggurat
161862 | Zig:5    | Noticed a royal mummy
161862 | Zig:5    | Noticed a royal mummy
161863 | Zig:5    | Noticed a royal mummy
161864 | Zig:5    | Noticed a royal mummy
161865 | Zig:5    | Killed a royal mummy
161865 | Zig:5    | Noticed a royal mummy
161867 | Zig:5    | Noticed a royal mummy
161867 | Zig:5    | Noticed a royal mummy
161867 | Zig:5    | Killed a royal mummy
161868 | Zig:5    | Killed a royal mummy
161868 | Zig:5    | Killed a royal mummy
161868 | Zig:5    | Killed a royal mummy
161868 | Zig:5    | Killed a royal mummy
161869 | Zig:5    | Killed a royal mummy
162059 | Zig:6    | Entered Level 6 of a ziggurat
162064 | Zig:6    | Found the +3 pair of gauntlets of War {Slay+5}
162226 | Zig:6    | Identified the amulet "Keps" {Spirit rPois Str-3 Dex+6}
162249 | Zig:7    | Entered Level 7 of a ziggurat
162538 | Zig:8    | Entered Level 8 of a ziggurat
162773 | Zig:8    | Identified the +9 war axe "Worm" {holy, rElec}
162775 | Zig:8    | Identified the +6 quarterstaff of Ru's Benevolence {spect,
                  | Int+2 Dex+4 SInv}
162779 | Zig:8    | Identified the +6 great sword "Hydrabane" {flame, Dex+5}
162815 | Zig:8    | Identified the ring of the Good {Fire Fly MP-9 Str+2 Int+5}
162822 | Zig:9    | Entered Level 9 of a ziggurat
162829 | Zig:9    | Paralysed by an air elemental for 1 turns
162988 | Zig:9    | Identified the +8 lajatang of the Illusory Tables {flame,
                  | Fly rF+ rC+ Will+ Dex-2}
163014 | Zig:9    | Identified the +5 halberd "Wuggups" {freeze, Int+3}
163122 | Zig:9    | Valagong: hola
163130 | Zig:9    | shadowrider38: hello
163133 | Zig:10   | Entered Level 10 of a ziggurat
163140 | Zig:10   | Noticed a dread lich
163141 | Zig:10   | Noticed a dread lich
163141 | Zig:10   | Noticed an ancient lich
163142 | Zig:10   | Noticed an ancient lich
163143 | Zig:10   | Noticed an ancient lich
163143 | Zig:10   | Noticed an ancient lich
163143 | Zig:10   | Killed a dread lich
163143 | Zig:10   | Killed an ancient lich
163144 | Zig:10   | Noticed an ancient lich
163147 | Zig:10   | Killed a dread lich
163147 | Zig:10   | Killed an ancient lich
163147 | Zig:10   | Killed an ancient lich
163148 | Zig:10   | Killed an ancient lich
163148 | Zig:10   | Killed an ancient lich
163157 | Zig:10   | Identified the +3 leather armour of the Realm of Zot {rN+
                  | Will- Int+4 Dex+2}
163322 | Zig:10   | Identified the +10 plate armour "Arghiono" {rC+ SInv}
163342 | Zig:10   | Identified the +6 shortbow of Ambiguity {freeze, rN+}
163377 | Zig:10   | Identified the staff of poison "Ixekaxon" {*Slow rPois rF+
                  | Str+2 Int+4}
163382 | Zig:10   | Identified the +10 hand axe "Oruocueph" {speed, rC+}
163414 | Zig:10   | shadowrider38: time for me to play catch up
163429 | Zig:11   | Entered Level 11 of a ziggurat
163446 | Zig:11   | Found the +8 storm bow {elec, penet}
163603 | Zig:11   | Identified the +0 plate armour of the Building Gods
                  | {Rampage}
163608 | Zig:11   | Identified the staff of conjuration "Irchypro" {Fly MP+9
                  | Dex-4}
163635 | Zig:11   | Identified the staff of earth "Zul Itas" {rPois Will+ rCorr
                  | Dex-2}
163796 | Zig:12   | Entered Level 12 of a ziggurat
163802 | Zig:12   | Noticed an ancient lich
163802 | Zig:12   | Noticed an ancient lich
163802 | Zig:12   | Noticed a dread lich
163802 | Zig:12   | Noticed an ancient lich
163802 | Zig:12   | Noticed a dread lich
163802 | Zig:12   | Noticed a dread lich
163803 | Zig:12   | Killed a dread lich
163803 | Zig:12   | Killed an ancient lich
163803 | Zig:12   | Killed an ancient lich
163803 | Zig:12   | Killed a dread lich
163803 | Zig:12   | Noticed a dread lich
163803 | Zig:12   | Noticed an ancient lich
163805 | Zig:12   | Noticed an ancient lich
163805 | Zig:12   | Killed a dread lich
163806 | Zig:12   | Noticed a dread lich
163806 | Zig:12   | Killed an ancient lich
163807 | Zig:12   | Killed an ancient lich
163807 | Zig:12   | Killed an ancient lich
163808 | Zig:12   | Killed a dread lich
163811 | Zig:12   | Killed a dread lich
164038 | Zig:12   | Identified the +10 shortbow "Omicven" {elec, Str+3}
164071 | Zig:13   | Entered Level 13 of a ziggurat
164270 | Zig:13   | Identified the +2 crystal plate armour of Insecurity {Will+
                  | Dex+3}
164272 | Zig:13   | Identified the +5 mace "Hulk" {venom, Str+3 Dex+5 Stlth+}
164283 | Zig:13   | Identified the staff of conjuration "Sikkug" {rF+}
164285 | Zig:13   | Identified the +5 dagger "Togiesia" {vamp, Int+5}
164286 | Zig:13   | Identified the ring of Ducvyr {rPois Str+2}
164504 | Zig:14   | Entered Level 14 of a ziggurat
164510 | Zig:14   | Noticed a royal mummy
164510 | Zig:14   | Noticed a royal mummy
164510 | Zig:14   | Noticed a royal mummy
164510 | Zig:14   | Noticed a royal mummy
164510 | Zig:14   | Noticed a royal mummy
164510 | Zig:14   | Noticed a royal mummy
164510 | Zig:14   | Noticed a royal mummy
164510 | Zig:14   | Noticed a royal mummy
164511 | Zig:14   | Killed a royal mummy
164511 | Zig:14   | Killed a royal mummy
164511 | Zig:14   | Killed a royal mummy
164511 | Zig:14   | Killed a royal mummy
164511 | Zig:14   | Killed a royal mummy
164511 | Zig:14   | Killed a royal mummy
164511 | Zig:14   | Killed a royal mummy
164513 | Zig:14   | Noticed a royal mummy
164513 | Zig:14   | Noticed a royal mummy
164514 | Zig:14   | Killed a royal mummy
164514 | Zig:14   | Noticed a royal mummy
164516 | Zig:14   | Paralysed by a floating eye for 4 turns
164520 | Zig:14   | Killed a royal mummy
164520 | Zig:14   | Killed a royal mummy
164521 | Zig:14   | Killed a royal mummy
164522 | Zig:14   | Noticed a royal mummy
164526 | Zig:14   | Noticed a royal mummy
164527 | Zig:14   | Noticed a royal mummy
164528 | Zig:14   | Valagong: what one are you on?
164528 | Zig:14   | Noticed a royal mummy
164529 | Zig:14   | Killed a royal mummy
164530 | Zig:14   | Killed a royal mummy
164531 | Zig:14   | Killed a royal mummy
164531 | Zig:14   | Killed a royal mummy
164534 | Zig:14   | shadowrider38: i think this is 8
164558 | Zig:14   | Valagong: nice
164861 | Zig:14   | Identified the +5 quarterstaff "Cimisepn" {elec, rPois
                  | rC+++ MP-9 Int+2}
164863 | Zig:14   | Identified the +5 arbalest "Qaefib" {freeze, rElec Dex+2}
164909 | Zig:14   | Identified the +0 battleaxe of Destruction {drain, rF+
                  | Str+4 Stlth+}
164913 | Zig:14   | Identified the ring "Esalemel" {rElec Dex+6 Stlth+}
164915 | Zig:14   | Identified the ring of Cove {rN+ Int+3}
164916 | Zig:14   | Identified the +7 rapier "Udumit" {freeze, Dex+3}
164920 | Zig:14   | Identified the staff of cold "Icuor" {rC+ rN+++ Dex-2 SInv}
164922 | Zig:14   | Identified the +0 dire flail of the Crawling Thing {spect,
                  | Str+3}
164974 | Zig:15   | Entered Level 15 of a ziggurat
164992 | Zig:15   | Found the +6 lightning scales {swift, rElec}
164992 | Zig:15   | Paralysed by an air elemental for 1 turns
165150 | Zig:15   | Identified the staff of death "Umuysev" {rF+ rN+ rCorr
                  | Int+3}
165151 | Zig:15   | Identified the amulet of Ephemeral Luck {Faith rN+ Dex+3
                  | SInv}
165153 | Zig:15   | Identified the +2 war axe "Ivallionk" {freeze, rN+ Str+3}
165158 | Zig:15   | Identified the staff of earth "Torugh" {rElec Will+}
165165 | Zig:15   | Identified the +0 robe of Forking Paths {rF+++ rC- Str+7
                  | Stlth+}
165166 | Zig:15   | Valagong: can't wait to see you do some ultra mega XL
                  | panlord floors
165171 | Zig:15   | Acquired 668 gold pieces
165222 | Zig:15   | Identified the ring "Ocelefew" {MP+9 Dex+2}
165232 | Zig:15   | Identified the ring "Meutib" {Wiz Will- rCorr Str+5 Dex+4}
165462 | Zig:16   | Entered Level 16 of a ziggurat
165463 | Zig:16   | shadowrider38: hell no
165884 | Zig:16   | Identified the staff of death "Opac" {rF- rC+++ rN+ Will+
                  | Str+6}
165895 | Zig:16   | Identified the +9 plate armour of Haurix {rF+ Dex+3}
165899 | Zig:16   | Identified the staff of earth "Nuan" {rCorr}
165901 | Zig:16   | Identified the ring "Xapryce" {rPois Int+4}
165904 | Zig:16   | Identified the +3 sling "Dragonbane" {antimagic, +Blink rN+
                  | Will+}
165926 | Zig:16   | Identified the ring "Jajehes" {EV+5 Str+4}
165939 | Zig:16   | Identified the staff of air "Suubuaci" {+Blink rElec rN+
                  | Int-2}
165949 | Zig:16   | Identified the +6 scale mail "Baciger" {rN+ Will+}
166015 | Zig:17   | Entered Level 17 of a ziggurat
166061 | Zig:17   | Found the ring of the Octopus King
166324 | Zig:17   | Identified the +3 war axe "Xyew" {protect, rElec Stlth+}
166325 | Zig:17   | Identified a ring of the Octopus King {rF+ HP+2 AC+2 EV+2
                  | SH+2}
166332 | Zig:17   | Identified the ring of Lady Luck {rElec Dex+2 Slay+4}
166336 | Zig:17   | Identified the +11 long sword "Teoqeuca" {freeze, Str+5
                  | Dex+2 SInv}
166341 | Zig:17   | Identified the +6 storm dragon scales of the Stars
                  | {*Corrode rElec Str-5 Int+7 SInv}
166360 | Zig:18   | Entered Level 18 of a ziggurat
166384 | Zig:18   | Found the +2 hood of the Assassin {Detect Stab+ Stlth++}
166688 | Zig:18   | Identified the ring of Qoupuodd {rElec rF+ SInv}
166758 | Zig:18   | Identified the amulet of the Komodo Dragon {Spirit Harm
                  | *Corrode rF+++ Stlth+}
166763 | Zig:18   | Identified the staff of death "Sist" {rN+ Str+5}
166780 | Zig:18   | Identified the staff of conjuration "Heucwej" {Dex+4}
166840 | Zig:19   | Entered Level 19 of a ziggurat
166848 | Zig:19   | Noticed an ancient lich
166849 | Zig:19   | Killed an ancient lich
166851 | Zig:19   | Noticed a dread lich
166853 | Zig:19   | Killed a dread lich
166894 | Zig:19   | Found the +7 staff of the Meek {protect, meekguard}
167252 | Zig:19   | Identified the +0 chain mail "Paume" {-Tele rCorr Int+5}
167256 | Zig:19   | Identified the +1 ring mail "Afagasown" {Will+ Dex+5}
167259 | Zig:19   | Identified the +3 shortbow "Glorpo" {flame, rN+}
167261 | Zig:19   | Identified the +5 flail of Lazadghaki {flame, rElec rF+
                  | Str+5 Int-4 SInv}
167265 | Zig:19   | Identified the ring of Wiojeyg {rPois rN+ Will+ Int+3
                  | Stlth-}
167270 | Zig:19   | Identified the +1 short sword of the Spectre {pain, rF+
                  | Int+2}
167284 | Zig:20   | Entered Level 20 of a ziggurat
167602 | Zig:20   | Identified the +2 cloak of Lafuwe {Fly Will+ Dex+4}
167603 | Zig:20   | Identified the +6 morningstar of Vaofosk {venom, rElec
                  | Int-3 Dex+6}
167620 | Zig:20   | Identified the staff of death "Xuofea" {rPois rC+ rN+}
167822 | Zig:20   | Identified the +10 great sword of Truncation {flame, Int+3}
167855 | Zig:20   | Identified the staff of poison "Cogrof Beo" {Fragile rPois
                  | Str+3 Int+3 Dex+3}
167856 | Zig:20   | Identified the ring "Tafejos" {Will+ Str+3 Int+2}
167864 | Zig:20   | Identified the +7 falchion of Wu Jian's Whim {freeze,
                  | *Noise rF+++ Dex+2 SInv}
167911 | Zig:21   | Entered Level 21 of a ziggurat
167918 | Zig:21   | Noticed a royal mummy
167918 | Zig:21   | Noticed a royal mummy
167918 | Zig:21   | Noticed a royal mummy
167918 | Zig:21   | Noticed a royal mummy
167918 | Zig:21   | Noticed a royal mummy
167919 | Zig:21   | Noticed a royal mummy
167919 | Zig:21   | Noticed a royal mummy
167920 | Zig:21   | Killed a royal mummy
167920 | Zig:21   | Killed a royal mummy
167920 | Zig:21   | Killed a royal mummy
167920 | Zig:21   | Noticed a royal mummy
167920 | Zig:21   | Noticed a royal mummy
167921 | Zig:21   | Noticed a royal mummy
167922 | Zig:21   | Noticed a royal mummy
167922 | Zig:21   | Noticed a royal mummy
167922 | Zig:21   | Killed a royal mummy
167922 | Zig:21   | Killed a royal mummy
167922 | Zig:21   | Noticed a royal mummy
167922 | Zig:21   | Noticed a royal mummy
167922 | Zig:21   | Noticed a royal mummy
167922 | Zig:21   | Noticed a royal mummy
167922 | Zig:21   | Noticed a royal mummy
167923 | Zig:21   | Killed a royal mummy
167923 | Zig:21   | Killed a royal mummy
167923 | Zig:21   | Noticed a royal mummy
167923 | Zig:21   | Noticed a royal mummy
167924 | Zig:21   | Noticed a royal mummy
167924 | Zig:21   | Killed a royal mummy
167924 | Zig:21   | Noticed a royal mummy
167925 | Zig:21   | Noticed a royal mummy
167925 | Zig:21   | Noticed a royal mummy
167925 | Zig:21   | Noticed a royal mummy
167926 | Zig:21   | Killed a royal mummy
167926 | Zig:21   | Killed a royal mummy
167926 | Zig:21   | Killed a royal mummy
167926 | Zig:21   | Killed a royal mummy
167926 | Zig:21   | Killed a royal mummy
167926 | Zig:21   | Killed a royal mummy
167926 | Zig:21   | Killed a royal mummy
167926 | Zig:21   | Killed a royal mummy
167926 | Zig:21   | Killed a royal mummy
167926 | Zig:21   | Killed a royal mummy
167926 | Zig:21   | Noticed a royal mummy
167927 | Zig:21   | Killed a royal mummy
167927 | Zig:21   | Killed a royal mummy
167927 | Zig:21   | Killed a royal mummy
167927 | Zig:21   | Killed a royal mummy
167927 | Zig:21   | Killed a royal mummy
167927 | Zig:21   | Noticed a royal mummy
167927 | Zig:21   | Noticed a royal mummy
167927 | Zig:21   | Noticed a royal mummy
167928 | Zig:21   | Valagong: nice got my pizza ordered
167928 | Zig:21   | Killed a royal mummy
167928 | Zig:21   | Noticed a royal mummy
167930 | Zig:21   | Noticed a royal mummy
167930 | Zig:21   | Noticed a royal mummy
167930 | Zig:21   | Noticed a royal mummy
167930 | Zig:21   | Noticed a royal mummy
167931 | Zig:21   | Noticed a royal mummy
167931 | Zig:21   | Noticed a royal mummy
167932 | Zig:21   | shadowrider38: congrats
167932 | Zig:21   | Valagong: tyty
167932 | Zig:21   | Killed a royal mummy
167932 | Zig:21   | Killed a royal mummy
167932 | Zig:21   | Killed a royal mummy
167932 | Zig:21   | Killed a royal mummy
167934 | Zig:21   | Noticed a royal mummy
167934 | Zig:21   | Noticed a royal mummy
167935 | Zig:21   | Killed a royal mummy
167935 | Zig:21   | Killed a royal mummy
167935 | Zig:21   | Killed a royal mummy
167935 | Zig:21   | Killed a royal mummy
167935 | Zig:21   | Killed a royal mummy
167935 | Zig:21   | Killed a royal mummy
167935 | Zig:21   | Killed a royal mummy
167935 | Zig:21   | Killed a royal mummy
167936 | Zig:21   | Killed a royal mummy
167940 | Zig:21   | Noticed a royal mummy
167942 | Zig:21   | Noticed a royal mummy
167942 | Zig:21   | Noticed a royal mummy
167943 | Zig:21   | Killed a royal mummy
167943 | Zig:21   | Killed a royal mummy
167944 | Zig:21   | Noticed a royal mummy
167954 | Zig:21   | Killed a royal mummy
167954 | Zig:21   | Killed a royal mummy
168441 | Zig:21   | Identified the +9 great mace "Tolurujo" {freeze, rCorr
                  | Dex+3}
168446 | Zig:21   | Identified the staff of poison "Izac" {rPois MP+9 Str+8
                  | Int-5}
168449 | Zig:21   | Identified the +4 trident of Responsibility {drain, rF+
                  | Int-4 Dex+3}
168453 | Zig:21   | Identified the staff of earth "Funong" {Fly rC+ Str-4
                  | Int+7}
168462 | Zig:21   | Identified the -2 buckler "Rolocwag" {rC+ rN+ Str+2 Dex+4}
168497 | Zig:22   | Entered Level 22 of a ziggurat
168510 | Zig:22   | Paralysed by an air elemental for 1 turns
168534 | Zig:22   | Found the ring of the Octopus King
168956 | Zig:22   | Identified the +8 trident of the Heavens {freeze, Str+3
                  | Int+3 Dex-3 SInv}
168981 | Zig:22   | Identified the staff of earth "Qemmucr Etsi" {rN+ rCorr
                  | Str+2 Dex+2}
168982 | Zig:22   | Identified the ring of the Omega Point {rPois rF- rC++
                  | Will+ Dex+3}
168989 | Zig:22   | Identified a ring of the Octopus King {Wiz HP+2 AC+2 EV+2
                  | SH+2}
168999 | Zig:22   | Identified the +3 dagger "Hewninu" {protect, rF++}
169005 | Zig:22   | Identified the ring "Nibutipt" {Fire *Corrode MP+9 Str+2
                  | Dex+5}
169007 | Zig:22   | Identified the +8 flail "Lotenias" {flame, Fragile rCorr
                  | Stlth+}
169123 | Zig:23   | Entered Level 23 of a ziggurat
169131 | Zig:23   | Noticed a dread lich
169133 | Zig:23   | Noticed a dread lich
169137 | Zig:23   | Killed a dread lich
169137 | Zig:23   | Killed a dread lich
169139 | Zig:23   | Paralysed by a wendigo for 1 turns
169156 | Zig:23   | Found the +7 great mace "Firestarter" {flame, immolate,
                  | rFlCloud rF++}
169157 | Zig:23   | Found the +1 robe of Vines {NoPotionHeal Regen++++}
169157 | Zig:23   | Found the +8 longbow "Zephyr" {speed, Dex+3 SInv}
169363 | Zig:23   | Identified the +0 robe of Vlad {Harm}
169366 | Zig:23   | Identified the staff of cold "Nodacoigy" {rC+ Will+}
169375 | Zig:23   | Identified the +2 robe "Kosesy" {rF++}
169376 | Zig:23   | Identified the +4 dagger "Isaczit" {holy, rF+ rN+ Dex-5}
169377 | Zig:23   | Identified the +5 scale mail "Morank" {Regen+}
169380 | Zig:23   | Identified the amulet of Lagi {Faith Int+4 Stlth+}
169382 | Zig:23   | Identified the staff of cold "Gesol" {rC+ rN+ Str-5 Int+4
                  | SInv}
169400 | Zig:23   | Identified the +0 ring mail "Damnable Contraption" {Contam
                  | Rampage rCorr SInv}
169401 | Zig:23   | Identified the ring "Tosa Guh" {rF+ Int+6 SInv}
169402 | Zig:23   | Identified the staff of conjuration "Utreod" {rC+ Str+3}
169683 | Zig:24   | Entered Level 24 of a ziggurat
169702 | Zig:24   | shadowrider38: wtf
169702 | Zig:24   | shadowrider38: all berserk
169726 | Zig:24   | Valagong: all ur potions?
169733 | Zig:24   | shadowrider38: i just cringe everytime i see that
169733 | Zig:24   | Valagong: ;p
169735 | Zig:24   | Valagong: better than all lig
169740 | Zig:24   | Noticed Qere Oci the pandemonium lord
169744 | Zig:24   | Killed Qere Oci the pandemonium lord
169749 | Zig:24   | shadowrider38: true
169766 | Zig:24   | Found the +6 shillelagh "Devastator" {shatter}
170168 | Zig:24   | Found the ring of the Octopus King
170173 | Zig:24   | Identified the +0 leather armour of Shrieking Beauty
                  | {Str+3}
170176 | Zig:24   | Identified the +1 plate armour of the Shining Light
                  | {Rampage}
170180 | Zig:24   | Identified a ring of the Octopus King {HP+2 MP+9 AC+2 EV+2
                  | SH+2}
170184 | Zig:24   | Identified the +7 scimitar "Yxuces" {spect, Int+3}
170184 | Zig:24   | Found the +11 plutonium sword {Contam Stlth-}
170194 | Zig:24   | Identified the staff of fire "Dubatoam" {rF+ Str+3 Dex+2
                  | Stlth-}
170201 | Zig:24   | Identified the amulet "Ukeodd" {Faith rPois}
170204 | Zig:24   | Identified the staff of poison "Pienerets" {rPois rCorr}
170221 | Zig:24   | Identified the +3 falchion of Precise Incision {heavy, rN++
                  | Int+2 Dex-2}
170231 | Zig:24   | Identified the ring "Gukh" {rPois rC+ rN++ Dex-2 SInv}
170232 | Zig:24   | Identified the +12 whip of Discord {antimagic, rF- rN+++
                  | Dex+6}
170296 | Zig:25   | Entered Level 25 of a ziggurat
170313 | Zig:25   | Identified the +8 tower shield "Deithrute" {Str+4 Stlth+}
170314 | Zig:25   | Identified the +0 tower shield of an ice cave {Str+3
                  | Slay+6}
170827 | Zig:25   | Identified the ring of Insomnia {rElec Str+3 Int+3 SInv}
170832 | Zig:25   | Identified the ring "Urghykuymil" {+Blink rC+ AC+4}
170837 | Zig:25   | Identified the ring "Uneta" {AC+4 Int+3}
170839 | Zig:25   | Identified the +7 great mace of Accidental Termination
                  | {freeze, rF+ rCorr}
170844 | Zig:25   | Identified the +12 war axe "Daot" {flame, rPois Will- rCorr
                  | SInv}
170847 | Zig:25   | Identified the +9 rapier "Laexuto" {flame, rN+ MP+9}
170848 | Zig:25   | Identified the +0 chain mail "Kimn" {rC+ Str+4 Dex-3
                  | Stlth+}
170854 | Zig:25   | Identified the +3 ring mail "Hicaesha" {Regen+ Str-4
                  | Stlth+}
170857 | Zig:25   | Identified the +9 arbalest of Ypta {antimagic, rF- rN+
                  | Int+4 SInv}
170860 | Zig:25   | Identified the staff of cold "Gaqau" {rElec rC+ Dex+3}
170863 | Zig:25   | Identified the staff of earth "Tuviss" {rElec}
170870 | Zig:25   | Identified the +5 longbow of Destiny {drain, Will+++ rCorr
                  | Int-5 Stlth-}
170887 | Zig:25   | Identified the amulet of Qoodgh {Acrobat Dex+5}
170932 | Zig:26   | Entered Level 26 of a ziggurat
170941 | Zig:26   | Noticed a royal mummy
170944 | Zig:26   | Noticed a royal mummy
170945 | Zig:26   | Noticed a royal mummy
170945 | Zig:26   | Noticed a royal mummy
170945 | Zig:26   | Noticed a royal mummy
170945 | Zig:26   | Noticed a royal mummy
170945 | Zig:26   | Noticed a royal mummy
170945 | Zig:26   | Noticed a royal mummy
170945 | Zig:26   | Noticed a royal mummy
170946 | Zig:26   | Noticed a royal mummy
170946 | Zig:26   | Noticed a royal mummy
170946 | Zig:26   | Noticed a royal mummy
170946 | Zig:26   | Noticed a royal mummy
170947 | Zig:26   | Noticed a royal mummy
170948 | Zig:26   | Noticed a royal mummy
170948 | Zig:26   | Noticed a royal mummy
170948 | Zig:26   | Noticed a royal mummy
170948 | Zig:26   | Noticed a royal mummy
170948 | Zig:26   | Noticed a royal mummy
170948 | Zig:26   | Noticed a royal mummy
170949 | Zig:26   | Killed a royal mummy
170949 | Zig:26   | Killed a royal mummy
170949 | Zig:26   | Killed a royal mummy
170949 | Zig:26   | Killed a royal mummy
170949 | Zig:26   | Killed a royal mummy
170949 | Zig:26   | Killed a royal mummy
170949 | Zig:26   | Killed a royal mummy
170949 | Zig:26   | Killed a royal mummy
170949 | Zig:26   | Killed a royal mummy
170949 | Zig:26   | Killed a royal mummy
170949 | Zig:26   | Killed a royal mummy
170949 | Zig:26   | Killed a royal mummy
170949 | Zig:26   | Noticed a royal mummy
170949 | Zig:26   | Noticed a royal mummy
170950 | Zig:26   | Killed a royal mummy
170950 | Zig:26   | Killed a royal mummy
170950 | Zig:26   | Killed a royal mummy
170950 | Zig:26   | Killed a royal mummy
170950 | Zig:26   | Killed a royal mummy
170950 | Zig:26   | Killed a royal mummy
170950 | Zig:26   | Killed a royal mummy
170950 | Zig:26   | Killed a royal mummy
170950 | Zig:26   | Killed a royal mummy
170950 | Zig:26   | Noticed a royal mummy
170951 | Zig:26   | Noticed a royal mummy
170951 | Zig:26   | Noticed a royal mummy
170951 | Zig:26   | Noticed a royal mummy
170951 | Zig:26   | Noticed a royal mummy
170951 | Zig:26   | Noticed a royal mummy
170952 | Zig:26   | Noticed a royal mummy
170953 | Zig:26   | Noticed a royal mummy
170953 | Zig:26   | Noticed a royal mummy
170954 | Zig:26   | Noticed a royal mummy
170954 | Zig:26   | Killed a royal mummy
170954 | Zig:26   | Noticed a royal mummy
170955 | Zig:26   | Noticed a royal mummy
170955 | Zig:26   | Noticed a royal mummy
170955 | Zig:26   | Noticed a royal mummy
170955 | Zig:26   | Noticed a royal mummy
170956 | Zig:26   | Killed a royal mummy
170956 | Zig:26   | Killed a royal mummy
170956 | Zig:26   | Killed a royal mummy
170956 | Zig:26   | Killed a royal mummy
170956 | Zig:26   | Killed a royal mummy
170956 | Zig:26   | Killed a royal mummy
170956 | Zig:26   | Killed a royal mummy
170956 | Zig:26   | Killed a royal mummy
170956 | Zig:26   | Noticed a royal mummy
170957 | Zig:26   | Noticed a royal mummy
170957 | Zig:26   | Killed a royal mummy
170957 | Zig:26   | Killed a royal mummy
170957 | Zig:26   | Noticed a royal mummy
170958 | Zig:26   | Killed a royal mummy
170958 | Zig:26   | Killed a royal mummy
170958 | Zig:26   | Killed a royal mummy
170958 | Zig:26   | Killed a royal mummy
170958 | Zig:26   | Killed a royal mummy
170958 | Zig:26   | Killed a royal mummy
170959 | Zig:26   | Noticed a royal mummy
170959 | Zig:26   | Noticed a royal mummy
170959 | Zig:26   | Noticed a royal mummy
170959 | Zig:26   | Noticed a royal mummy
170959 | Zig:26   | Noticed a royal mummy
170960 | Zig:26   | Noticed a royal mummy
170960 | Zig:26   | Noticed a royal mummy
170960 | Zig:26   | Noticed a royal mummy
170960 | Zig:26   | Noticed a royal mummy
170960 | Zig:26   | Noticed a royal mummy
170960 | Zig:26   | Noticed a royal mummy
170960 | Zig:26   | Noticed a royal mummy
170960 | Zig:26   | Noticed an ancient lich
170962 | Zig:26   | Killed a royal mummy
170962 | Zig:26   | Killed a royal mummy
170962 | Zig:26   | Killed a royal mummy
170962 | Zig:26   | Killed a royal mummy
170962 | Zig:26   | Killed a royal mummy
170962 | Zig:26   | Killed a royal mummy
170962 | Zig:26   | Killed a royal mummy
170962 | Zig:26   | Killed a royal mummy
170962 | Zig:26   | Killed a royal mummy
170962 | Zig:26   | Killed a royal mummy
170962 | Zig:26   | Killed a royal mummy
170962 | Zig:26   | Noticed a royal mummy
170963 | Zig:26   | Killed a royal mummy
170965 | Zig:26   | Noticed a royal mummy
170965 | Zig:26   | Noticed a royal mummy
170967 | Zig:26   | Noticed a royal mummy
170967 | Zig:26   | Noticed a royal mummy
170967 | Zig:26   | Killed a royal mummy
170967 | Zig:26   | Killed an ancient lich
170968 | Zig:26   | Noticed a royal mummy
170968 | Zig:26   | Noticed a royal mummy
170968 | Zig:26   | Noticed a royal mummy
170968 | Zig:26   | Noticed a royal mummy
170969 | Zig:26   | Killed a royal mummy
170969 | Zig:26   | Killed a royal mummy
170970 | Zig:26   | Noticed a royal mummy
170970 | Zig:26   | Noticed a royal mummy
170971 | Zig:26   | Killed a royal mummy
170971 | Zig:26   | Killed a royal mummy
170971 | Zig:26   | Killed a royal mummy
170971 | Zig:26   | Killed a royal mummy
170971 | Zig:26   | Killed a royal mummy
170971 | Zig:26   | Killed a royal mummy
170971 | Zig:26   | Noticed a royal mummy
170972 | Zig:26   | Noticed a royal mummy
170972 | Zig:26   | Noticed a royal mummy
170972 | Zig:26   | Noticed a royal mummy
170973 | Zig:26   | Noticed a royal mummy
170973 | Zig:26   | Noticed a royal mummy
170975 | Zig:26   | Killed a royal mummy
170975 | Zig:26   | Killed a royal mummy
170975 | Zig:26   | Killed a royal mummy
170975 | Zig:26   | Killed a royal mummy
170975 | Zig:26   | Killed a royal mummy
170975 | Zig:26   | Killed a royal mummy
170975 | Zig:26   | Killed a royal mummy
170977 | Zig:26   | Killed a royal mummy
170977 | Zig:26   | Killed a royal mummy
170980 | Zig:26   | Killed a royal mummy
170989 | Zig:26   | Killed a royal mummy
171489 | Zig:26   | Identified the +1 dagger "Iqibrouro" {vamp, *Corrode Str+7
                  | Int+6}
171493 | Zig:26   | Identified the +4 scale mail of Yredelemnul's Respect {Harm
                  | rElec Dex-4}
171495 | Zig:26   | Identified the ring of Lyig {Wiz Int+3}
171503 | Zig:26   | Identified the staff of cold "Haosie Numoh" {+Blink rC+}
171557 | Zig:26   | Identified the staff of fire "Fuczair" {rF+ rN+ Str+3
                  | Int+4}
171563 | Zig:26   | Identified the +4 battleaxe "Zuawoddetz" {distort, rElec
                  | rC++ Dex+6}
171573 | Zig:26   | Identified the +9 flail "Semaecs" {vamp, rF+}
171594 | Zig:26   | Identified the +2 robe of the Old and Reckless {rC+ Str+4}
171609 | Zig:26   | Identified the staff of earth "Hemudwie" {Will+ Dex+3}
171611 | Zig:26   | Identified the +12 quarterstaff of the Egg {elec, rF+}
171615 | Zig:26   | Identified the +0 robe of Virtue {rF- Str+6 Stlth+}
171747 | Zig:27   | Entered Level 27 of a ziggurat
171766 | Zig:27   | Noticed an ancient lich
171769 | Zig:27   | Noticed a dread lich
171770 | Zig:27   | Killed an ancient lich
171771 | Zig:27   | Noticed a dread lich
171772 | Zig:27   | Killed a dread lich
171777 | Zig:27   | Killed a dread lich
171779 | Zig:27   | Paralysed by a wendigo for 1 turns
171784 | Zig:27   | Paralysed by a wendigo for 1 turns
171785 | Zig:27   | Found the +8 trident of the Octopus King {venom, rElec
                  | rPois}
171995 | Zig:27   | Identified the +1 flail of Aremimy {flame, Str+3 Dex+6}
171998 | Zig:27   | Identified the +6 long sword "Omamul" {vamp, +Blink Str+3
                  | Int+3 Dex+3}
172014 | Zig:27   | Identified the +13 chain mail "Wumier" {rF+ rC- Int+8
                  | Slay-2}
172042 | Zig:27   | Identified the ring of Naih Wea {Fly Will++ Str+3}
172065 | Zig:27   | Identified the amulet "Qiviudd" {RegenMP rN+ Slay+5}
172357 | Depths:1 | Valagong: woooo
172357 | Depths:1 | Valagong: nice
172357 | Depths:1 | shadowrider38: :P
172366 | Depths:1 | Lost mutation: Your body often deteriorates upon taking
                  | damage. [potion of mutation]
172366 | Depths:1 | Lost mutation: Your body sometimes deteriorates upon taking
                  | damage. [potion of mutation]
172366 | Depths:1 | Lost mutation: Your muscles are strong. (Str +4, Int/Dex
                  | -1) [potion of mutation]
172366 | Depths:1 | Gained mutation: You are frail. (-10% HP) [potion of
                  | mutation]
172366 | Depths:1 | Gained mutation: Your natural rate of healing is unusually
                  | fast. [potion of mutation]
172367 | Depths:1 | Lost mutation: You possess an exceptional clarity of mind.
                  | [potion of mutation]
172367 | Depths:1 | Lost mutation: You have a pair of small horns on your head.
                  | [potion of mutation]
172367 | Depths:1 | Gained mutation: Your flesh is heat resistant. (rF+)
                  | [potion of mutation]
172367 | Depths:1 | Gained mutation: Your spells are a little easier to cast,
                  | but a little less powerful. [potion of mutation]
172367 | Depths:1 | Gained mutation: You have a pair of small horns on your
                  | head. [potion of mutation]
172368 | Depths:1 | Lost mutation: Your flesh is heat resistant. (rF+) [potion
                  | of mutation]
172368 | Depths:1 | Lost mutation: You have a pair of small horns on your head.
                  | [potion of mutation]
172368 | Depths:1 | Lost mutation: Your natural rate of healing is unusually
                  | fast. [potion of mutation]
172368 | Depths:1 | Gained mutation: Your muscles are strong. (Str +4, Int/Dex
                  | -1) [potion of mutation]
172369 | Depths:1 | Lost mutation: You are frail. (-10% HP) [potion of
                  | mutation]
172369 | Depths:1 | Lost mutation: Your muscles are strong. (Str +4, Int/Dex
                  | -1) [potion of mutation]
172369 | Depths:1 | Gained mutation: You have sharp toenails. [potion of
                  | mutation]
172369 | Depths:1 | Gained mutation: You are strong-willed. (Will+) [potion of
                  | mutation]
172370 | Depths:1 | Valagong: roll mut pots till ur op
172370 | Depths:1 | Valagong: cx
172370 | Depths:1 | Lost mutation: You have sharp toenails. [potion of
                  | mutation]
172370 | Depths:1 | Lost mutation: You are strong-willed. (Will+) [potion of
                  | mutation]
172370 | Depths:1 | Gained mutation: You are frail. (-10% HP) [potion of
                  | mutation]
172370 | Depths:1 | Gained mutation: Your mind is acute. (Int +4, Str/Dex -1)
                  | [potion of mutation]
172371 | Depths:1 | shadowrider38: yup
172371 | Depths:1 | Lost mutation: You are frail. (-10% HP) [potion of
                  | mutation]
172371 | Depths:1 | Lost mutation: Your spells are a little easier to cast, but
                  | a little less powerful. [potion of mutation]
172371 | Depths:1 | Lost mutation: Your mind is acute. (Int +4, Str/Dex -1)
                  | [potion of mutation]
172371 | Depths:1 | Gained mutation: You are clumsy. (Dex -2) [potion of
                  | mutation]
172372 | Depths:1 | Lost mutation: You are clumsy. (Dex -2) [potion of
                  | mutation]
172372 | Depths:1 | Gained mutation: You are weak. (Str -2) [potion of
                  | mutation]
172372 | Depths:1 | Gained mutation: Your spells are a little easier to cast,
                  | but a little less powerful. [potion of mutation]
172372 | Depths:1 | Gained mutation: You are frail. (-10% HP) [potion of
                  | mutation]
172373 | Depths:1 | Lost mutation: You are weak. (Str -2) [potion of mutation]
172373 | Depths:1 | Lost mutation: You are frail. (-10% HP) [potion of
                  | mutation]
172373 | Depths:1 | Gained mutation: You are somewhat resistant to further
                  | mutation. [potion of mutation]
172374 | Depths:1 | Lost mutation: Your spells are a little easier to cast, but
                  | a little less powerful. [potion of mutation]
172374 | Depths:1 | Lost mutation: You are somewhat resistant to further
                  | mutation. [potion of mutation]
172374 | Depths:1 | Gained mutation: You expend magic power (3 MP) to
                  | strengthen your wands. [potion of mutation]
172375 | Depths:1 | Lost mutation: You expend magic power (3 MP) to strengthen
                  | your wands. [potion of mutation]
172375 | Depths:1 | Gained mutation: You occasionally lose the ability to read
                  | scrolls when taking damage. [potion of mutation]
172375 | Depths:1 | Gained mutation: Your flesh is heat resistant. (rF+)
                  | [potion of mutation]
172375 | Depths:1 | Gained mutation: You have a somewhat thin skeletal
                  | structure. (Dex +2, Stealth+) [potion of mutation]
172376 | Depths:1 | Lost mutation: Your flesh is heat resistant. (rF+) [potion
                  | of mutation]
172376 | Depths:1 | Lost mutation: You have a somewhat thin skeletal structure.
                  | (Dex +2, Stealth+) [potion of mutation]
172376 | Depths:1 | Gained mutation: Potions are less effective at restoring
                  | your health. [potion of mutation]
172376 | Depths:1 | Gained mutation: You possess an exceptional clarity of
                  | mind. [potion of mutation]
172377 | Depths:1 | Lost mutation: Potions are less effective at restoring your
                  | health. [potion of mutation]
172377 | Depths:1 | Lost mutation: You possess an exceptional clarity of mind.
                  | [potion of mutation]
172377 | Depths:1 | Lost mutation: You occasionally lose the ability to read
                  | scrolls when taking damage. [potion of mutation]
172377 | Depths:1 | Gained mutation: Potions are less effective at restoring
                  | your health. [potion of mutation]
172377 | Depths:1 | Gained mutation: Your body sometimes deteriorates upon
                  | taking damage. [potion of mutation]
172377 | Depths:1 | Gained mutation: You have a pair of small horns on your
                  | head. [potion of mutation]
172377 | Depths:1 | Gained mutation: You have a pair of horns on your head.
                  | [potion of mutation]
172378 | Depths:1 | Lost mutation: Potions are less effective at restoring your
                  | health. [potion of mutation]
172378 | Depths:1 | Lost mutation: Your body sometimes deteriorates upon taking
                  | damage. [potion of mutation]
172378 | Depths:1 | Lost mutation: You have a pair of horns on your head.
                  | [potion of mutation]
172378 | Depths:1 | Gained mutation: You have hidden genetic potential. [potion
                  | of mutation]
172378 | Depths:1 | Gained mutation: You have an increased reservoir of magic.
                  | (+10% MP) [potion of mutation]
172378 | Depths:1 | Gained mutation: You have a pair of horns on your head.
                  | [potion of mutation]
172378 | Depths:1 | Gained mutation: You expend magic power (3 MP) to
                  | strengthen your wands. [potion of mutation]
172432 | Depths:1 | shadowrider38: is 6 ev going to kill me
172439 | Depths:1 | Valagong: nahhhh
172446 | Depths:1 | Valagong: what took it so low
172446 | Depths:1 | Valagong: ?
172447 | Depths:1 | shadowrider38: im wearing ocpa
172447 | Depths:1 | shadowrider38: i had a ev ring on before
172447 | Depths:1 | Valagong: ah
172447 | Depths:1 | shadowrider38: but my spells are at 4%
172447 | Depths:1 | shadowrider38: which is stinky
172447 | Depths:1 | Valagong: i got carried by the -6 encumbrance
172447 | Depths:1 | Valagong: mut
172447 | Depths:1 | Valagong: too
172454 | Zig:1    | Entered Level 1 of a ziggurat
172523 | Zig:2    | Entered Level 2 of a ziggurat
172633 | Zig:3    | Entered Level 3 of a ziggurat
172633 | Zig:3    | Noticed an orb of fire
172633 | Zig:3    | Noticed an orb of fire
172633 | Zig:3    | Noticed an orb of fire
172633 | Zig:3    | Noticed an orb of fire
172634 | Zig:3    | Noticed an orb of fire
172637 | Zig:3    | Killed an orb of fire
172638 | Zig:3    | Killed an orb of fire
172638 | Zig:3    | Killed an orb of fire
172638 | Zig:3    | Killed an orb of fire
172639 | Zig:3    | Killed an orb of fire
172837 | Zig:3    | Identified the +5 helmet "Famias" {Str+3}
172841 | Zig:4    | Entered Level 4 of a ziggurat
172841 | Zig:4    | Noticed an ancient lich
172841 | Zig:4    | Noticed a dread lich
172841 | Zig:4    | Noticed an ancient lich
172841 | Zig:4    | Noticed a dread lich
172843 | Zig:4    | Killed an ancient lich
172843 | Zig:4    | Killed an ancient lich
172845 | Zig:4    | Noticed an ancient lich
172845 | Zig:4    | Noticed an ancient lich
172846 | Zig:4    | Killed a dread lich
172847 | Zig:4    | Killed a dread lich
172848 | Zig:4    | Killed an ancient lich
172857 | Zig:4    | Killed an ancient lich
173012 | Zig:5    | Entered Level 5 of a ziggurat
173014 | Zig:5    | Noticed a juggernaut
173018 | Zig:5    | Killed a juggernaut
173136 | Zig:5    | Identified the +1 halberd of the Grave {spect, Dex+3}
173142 | Zig:5    | Identified the amulet of Egalitarianism {RegenMP Dex+4}
173144 | Zig:5    | Identified the +1 short sword "Xioheac" {antimagic, Drain
                  | Str+3 Int+4}
173147 | Zig:5    | Identified the +3 shortbow of the Charmed God {speed, Str+4
                  | Int+2}
173152 | Zig:5    | Identified the +6 plate armour of Absence {rN+ Will+}
173279 | Zig:6    | Entered Level 6 of a ziggurat
173280 | Zig:6    | Tricky101: im back
173282 | Zig:6    | Tricky101: i died
173286 | Zig:6    | Tricky101: !LG
173288 | Zig:6    | beem: 15. Tricky101 the Marksspriggan (L13 SpHu of
                  | Okawaru), mangled by a two-headed ogre (a +1 great mace of
                  | flaming) in Volcano (volcano_pools) on 2023-05-18 03:10:24,
                  | with 41831 points after 15096 turns and 0:34:53.
173290 | Zig:6    | Found the +7 Throatcutter {drain, coup de grace}
173297 | Zig:6    | Valagong: oh
173303 | Zig:6    | Gained mutation: You are resistant to electric shocks.
                  | (rElec) [hidden potential]
173369 | Zig:6    | shadowrider38: rip
173369 | Zig:6    | beem: rip
173369 | Zig:6    | Valagong: u played
173532 | Zig:6    | Identified the ring of Discord {Ice rN+++ rCorr Str+3
                  | Dex-2}
173544 | Zig:7    | Entered Level 7 of a ziggurat
173545 | Zig:7    | Tricky101: yea was poppin off
173548 | Zig:7    | Noticed an ancient lich
173552 | Zig:7    | Tricky101: unti i got 2 tapped in a turn
173554 | Zig:7    | Killed an ancient lich
173693 | Zig:7    | Identified the ring of Qoadoopn {rF+ rC+}
173707 | Zig:7    | Identified the +3 arbalest "Odduav" {flame, rPois rF- Str+2
                  | Int+3}
173816 | Zig:7    | shadowrider38: life of a spriggan be like
173826 | Zig:8    | Entered Level 8 of a ziggurat
173833 | Zig:8    | Tricky101: didnt see it coming and was running dark* and
                  | usbu*
173837 | Zig:8    | Tricky101: or something
173994 | Zig:8    | Identified the +0 ring mail "Jodob" {rCorr Str+3}
174036 | Zig:8    | Tricky101: like blend into shadows
174039 | Zig:9    | Entered Level 9 of a ziggurat
174039 | Zig:9    | Noticed a royal mummy
174039 | Zig:9    | Noticed a royal mummy
174039 | Zig:9    | Noticed a royal mummy
174039 | Zig:9    | Noticed a royal mummy
174040 | Zig:9    | Killed a royal mummy
174040 | Zig:9    | Killed a royal mummy
174040 | Zig:9    | Killed a royal mummy
174040 | Zig:9    | Noticed a royal mummy
174040 | Zig:9    | Noticed a royal mummy
174043 | Zig:9    | Killed a royal mummy
174043 | Zig:9    | Killed a royal mummy
174043 | Zig:9    | Killed a royal mummy
174046 | Zig:9    | Noticed a royal mummy
174046 | Zig:9    | Noticed a royal mummy
174046 | Zig:9    | Noticed a royal mummy
174046 | Zig:9    | Noticed a royal mummy
174047 | Zig:9    | Noticed a royal mummy
174050 | Zig:9    | Noticed a royal mummy
174050 | Zig:9    | Killed a royal mummy
174050 | Zig:9    | Killed a royal mummy
174050 | Zig:9    | Killed a royal mummy
174050 | Zig:9    | Killed a royal mummy
174050 | Zig:9    | Killed a royal mummy
174052 | Zig:9    | Tricky101: double stealth shit that made me squishy doe
174184 | Zig:9    | Identified the +5 ring mail "Nuithra" {Drain Fly rElec
                  | rCorr}
174190 | Zig:9    | Identified the amulet of Moderation {Regen+ Int+4 Dex+5}
174391 | Zig:10   | Entered Level 10 of a ziggurat
174391 | Zig:10   | Noticed a royal mummy
174391 | Zig:10   | Noticed a royal mummy
174391 | Zig:10   | Noticed a royal mummy
174391 | Zig:10   | Noticed a royal mummy
174391 | Zig:10   | Noticed a royal mummy
174391 | Zig:10   | Noticed a royal mummy
174391 | Zig:10   | Noticed a royal mummy
174391 | Zig:10   | Noticed a royal mummy
174392 | Zig:10   | Killed a royal mummy
174392 | Zig:10   | Killed a royal mummy
174392 | Zig:10   | Killed a royal mummy
174392 | Zig:10   | Killed a royal mummy
174392 | Zig:10   | Killed a royal mummy
174392 | Zig:10   | Killed a royal mummy
174392 | Zig:10   | Killed a royal mummy
174392 | Zig:10   | Killed a royal mummy
174394 | Zig:10   | Noticed a royal mummy
174395 | Zig:10   | Tricky101: not sure what the ring was called
174398 | Zig:10   | Noticed a royal mummy
174398 | Zig:10   | Noticed a royal mummy
174398 | Zig:10   | Noticed a royal mummy
174398 | Zig:10   | Noticed a royal mummy
174400 | Zig:10   | Killed a royal mummy
174401 | Zig:10   | Noticed a royal mummy
174402 | Zig:10   | Noticed a royal mummy
174403 | Zig:10   | Killed a royal mummy
174404 | Zig:10   | Killed a royal mummy
174404 | Zig:10   | Killed a royal mummy
174405 | Zig:10   | Killed a royal mummy
174408 | Zig:10   | Valagong: umbra
174410 | Zig:10   | Tricky101: ye
174411 | Zig:10   | Killed a royal mummy
174412 | Zig:10   | Killed a royal mummy
174684 | Zig:10   | Identified the +4 ring mail of Mental Paralysis {Dex+3}
174685 | Zig:10   | Identified the ring "Wegampuess" {rPois rN+ Str-2 Slay+2}
174687 | Zig:10   | Identified the +2 flail "Aqiot" {venom, Will- Str+2 Dex+7}
174689 | Zig:10   | Identified the staff of cold "Lile" {rPois rC+ rN+ Str-4}
174691 | Zig:10   | Identified the +6 trident of Virtue {heavy, rElec MP+9
                  | Dex+2 SInv}
174692 | Zig:10   | Identified the +10 mace of the Shallot {protect, rC+}
174708 | Zig:10   | Tricky101: that plus dark +5 robe
174717 | Zig:10   | Valagong: nice
174721 | Zig:11   | Entered Level 11 of a ziggurat
174721 | Zig:11   | Noticed a royal mummy
174721 | Zig:11   | Noticed a royal mummy
174721 | Zig:11   | Noticed a royal mummy
174721 | Zig:11   | Noticed a royal mummy
174721 | Zig:11   | Noticed a royal mummy
174722 | Zig:11   | Killed a royal mummy
174722 | Zig:11   | Killed a royal mummy
174722 | Zig:11   | Killed a royal mummy
174722 | Zig:11   | Killed a royal mummy
174722 | Zig:11   | Killed a royal mummy
174723 | Zig:11   | Noticed a royal mummy
174723 | Zig:11   | Noticed a royal mummy
174726 | Zig:11   | Noticed a royal mummy
174726 | Zig:11   | Noticed a royal mummy
174727 | Zig:11   | Valagong: not bad
174727 | Zig:11   | Killed a royal mummy
174727 | Zig:11   | Killed a royal mummy
174727 | Zig:11   | Killed a royal mummy
174728 | Zig:11   | Noticed a royal mummy
174729 | Zig:11   | Noticed a royal mummy
174730 | Zig:11   | Noticed a royal mummy
174730 | Zig:11   | Noticed a royal mummy
174731 | Zig:11   | Killed a royal mummy
174732 | Zig:11   | Noticed a royal mummy
174734 | Zig:11   | Tricky101: was fun just pushed it too hard and forgot i had
                  | no AC
174734 | Zig:11   | Killed a royal mummy
174734 | Zig:11   | Killed a royal mummy
174734 | Zig:11   | Killed a royal mummy
174734 | Zig:11   | Killed a royal mummy
174742 | Zig:11   | Killed a royal mummy
174836 | Zig:11   | Identified the staff of death "Vuluth" {rPois rC+ rN+ Str+2
                  | Int-4}
174849 | Zig:11   | Identified the +2 chain mail of Gozag's Pride {Str+2}
174850 | Zig:11   | Identified the +10 dagger of the Mind {speed, rPois Will+}
175136 | Zig:12   | Entered Level 12 of a ziggurat
175137 | Zig:12   | Noticed an ancient lich
175138 | Zig:12   | Noticed an ancient lich
175139 | Zig:12   | Noticed an ancient lich
175141 | Zig:12   | Noticed an ancient lich
175142 | Zig:12   | Killed an ancient lich
175142 | Zig:12   | Killed an ancient lich
175142 | Zig:12   | Killed an ancient lich
175142 | Zig:12   | Killed an ancient lich
175142 | Zig:12   | Noticed an ancient lich
175143 | Zig:12   | Noticed an ancient lich
175143 | Zig:12   | Noticed an ancient lich
175144 | Zig:12   | Noticed an ancient lich
175144 | Zig:12   | Noticed an ancient lich
175146 | Zig:12   | Noticed an ancient lich
175146 | Zig:12   | Noticed an ancient lich
175147 | Zig:12   | Noticed an ancient lich
175148 | Zig:12   | Killed an ancient lich
175148 | Zig:12   | Killed an ancient lich
175148 | Zig:12   | Killed an ancient lich
175148 | Zig:12   | Killed an ancient lich
175149 | Zig:12   | Killed an ancient lich
175149 | Zig:12   | Killed an ancient lich
175149 | Zig:12   | Killed an ancient lich
175149 | Zig:12   | Killed an ancient lich
175424 | Zig:12   | Identified the +4 hand crossbow of the Sheltering Rat
                  | {flame, Fly rN+}
175474 | Zig:12   | Identified the staff of death "Qychyil" {Drain rElec rN+
                  | rCorr Int+5}
175480 | Zig:12   | Identified the staff of fire "Yfytzemn" {rF+ SInv}
175481 | Zig:12   | Tricky101: i wont be home till 9pm tommorow val so ill see
                  | you then
175481 | Zig:12   | Identified the ring of Usaemme {Str+6 Dex+5}
175482 | Zig:12   | Tricky101: XD
175483 | Zig:12   | Tricky101: im so fucked
175487 | Zig:13   | Entered Level 13 of a ziggurat
175487 | Zig:13   | Noticed a royal mummy
175487 | Zig:13   | Noticed a royal mummy
175487 | Zig:13   | Noticed a royal mummy
175487 | Zig:13   | Noticed a royal mummy
175487 | Zig:13   | Noticed a royal mummy
175487 | Zig:13   | Noticed a royal mummy
175487 | Zig:13   | Noticed a royal mummy
175488 | Zig:13   | Killed a royal mummy
175488 | Zig:13   | Killed a royal mummy
175488 | Zig:13   | Killed a royal mummy
175488 | Zig:13   | Killed a royal mummy
175488 | Zig:13   | Killed a royal mummy
175488 | Zig:13   | Noticed a royal mummy
175488 | Zig:13   | Noticed a royal mummy
175488 | Zig:13   | Noticed a royal mummy
175489 | Zig:13   | Valagong: rip
175489 | Zig:13   | Noticed a royal mummy
175490 | Zig:13   | Noticed a royal mummy
175490 | Zig:13   | Noticed a royal mummy
175491 | Zig:13   | Killed a royal mummy
175491 | Zig:13   | Killed a royal mummy
175491 | Zig:13   | Killed a royal mummy
175491 | Zig:13   | Killed a royal mummy
175491 | Zig:13   | Killed a royal mummy
175492 | Zig:13   | Noticed a royal mummy
175493 | Zig:13   | Noticed a royal mummy
175493 | Zig:13   | Noticed a royal mummy
175494 | Zig:13   | Noticed a royal mummy
175494 | Zig:13   | Noticed a royal mummy
175494 | Zig:13   | Killed a royal mummy
175494 | Zig:13   | Killed a royal mummy
175494 | Zig:13   | Killed a royal mummy
175495 | Zig:13   | Killed a royal mummy
175495 | Zig:13   | Killed a royal mummy
175495 | Zig:13   | Killed a royal mummy
175496 | Zig:13   | Killed a royal mummy
175496 | Zig:13   | Noticed a royal mummy
175498 | Zig:13   | Noticed a royal mummy
175499 | Zig:13   | Killed a royal mummy
175499 | Zig:13   | Noticed a royal mummy
175500 | Zig:13   | Noticed a royal mummy
175501 | Zig:13   | Valagong: cya at 9 pm
175506 | Zig:13   | Killed a royal mummy
175506 | Zig:13   | Killed a royal mummy
175507 | Zig:13   | Killed a royal mummy
175508 | Zig:13   | Killed a royal mummy
175524 | Zig:13   | Tricky101: u leaving
175662 | Zig:13   | Identified the +3 longbow of Darkness {drain, rPois Str+3
                  | Int+4 Dex-5}
175678 | Zig:13   | Identified the +0 scale mail of Xeefoil {rN+}
175722 | Zig:13   | Valagong: no
175893 | Zig:14   | Entered Level 14 of a ziggurat
175895 | Zig:14   | Valagong: i'm waiting for my pizza
175898 | Zig:14   | Tricky101: XD
175903 | Zig:14   | Valagong: i'm gonna consume my pizza
175905 | Zig:14   | Tricky101: i ordered halal
176004 | Zig:14   | Valagong: while i watch shadow
176074 | Zig:14   | Tricky101: lol
176219 | Zig:14   | Tricky101: vape naysh shadow
176250 | Zig:14   | Tricky101: vape
176250 | Zig:14   | shadowrider38: <3>
                  | ERROR: string above had unterminated tag
176250 | Zig:14   | Tricky101: naysh
176310 | Zig:14   | Identified the +10 short sword "Wedur" {drain, *Rage rPois
                  | Dex+3}
176311 | Zig:14   | Identified the staff of poison "Luxij" {rPois Str+5}
176312 | Zig:14   | Identified the staff of cold "Egagge Jigh" {rC+ Int+4}
176334 | Zig:14   | Identified the staff of conjuration "Ziumm" {Str+3 Int+6}
176335 | Zig:14   | Identified the +0 robe of the Blacksmith {rPois Regen+
                  | MP+9}
176336 | Zig:14   | Identified the +0 falchion of Harmony {vamp, *Noise rF+
                  | rN+}
176337 | Zig:14   | Identified the ring of Ynwun {Ice rN+ Will+ Str-4}
176341 | Zig:14   | Identified the staff of conjuration "Izadal" {rC+ rN+ Int+4
                  | Dex+3}
176342 | Zig:14   | Tricky101: is vamp
176343 | Zig:14   | Tricky101: good
176345 | Zig:15   | Entered Level 15 of a ziggurat
176346 | Zig:15   | Valagong: yes
176346 | Zig:15   | shadowrider38: on what
176352 | Zig:15   | Tricky101: then why didnt you prioritize it
176354 | Zig:15   | Tricky101: on your run val
176354 | Zig:15   | Valagong: wym
176357 | Zig:15   | Valagong: majin-bo?
176357 | Zig:15   | Tricky101: ye
176357 | Zig:15   | Valagong: its 2 handed
176357 | Zig:15   | Tricky101: oh
176357 | Zig:15   | Tricky101: didnt know that
176359 | Zig:15   | Valagong: and theres a lot of undead floors
176361 | Zig:15   | Acquired 685 gold pieces
176363 | Zig:15   | Valagong: so i'm playing it safe
176371 | Zig:15   | Noticed Gief the pandemonium lord
176372 | Zig:15   | Tricky101: vape harder
176373 | Zig:15   | Tricky101: there u go
176379 | Zig:15   | Valagong: ew
176380 | Zig:15   | Tricky101: -cast
176391 | Zig:15   | shadowrider38: what am i supposed to do on these floors
176391 | Zig:15   | shadowrider38: i should read the guide
176401 | Zig:15   | Killed Gief the pandemonium lord
176558 | Zig:15   | Identified the ring "Demut" {Fly rElec Slay+3}
176569 | Zig:15   | Tricky101: u vape ofc
176576 | Zig:15   | Identified the +6 quick blade "Binee" {heavy, rElec Will+
                  | Int+3 Dex-5}
176591 | Zig:15   | Identified the ring "Lepuit" {Str+2 SInv}
176598 | Zig:15   | Identified the ring "Pycvila" {Fly rF+ Dex+3}
176736 | Zig:16   | Entered Level 16 of a ziggurat
176739 | Zig:16   | Tricky101: ima be up for 39 hrs noah
176740 | Zig:16   | Paralysed by a wendigo for 1 turns
176745 | Zig:16   | Valagong: gg
176745 | Zig:16   | shadowrider38: ??necromutation
176745 | Zig:16   | beem: necromutation[1/2]: L8 Necro/Tmut that induces
                  | lichform: draining-brand UC (+5 base damage), +6 AC, Will+,
                  | rC+, necromancy enhancer, and undead for all game purposes
                  | (NO POTIONS, rN+++, rPois, mutation immunity, torment
                  | immunity, no transformations, no berserk, dispel undead
                  | vulnerability, no ddoor or borg or bloodsub)
176748 | Zig:16   | Tricky101: full shift and tattoo in it
176754 | Zig:16   | Found the ring of the Octopus King
177120 | Zig:16   | Identified the +1 battleaxe of Fadig {venom, MP+9}
177147 | Zig:16   | Identified a ring of the Octopus King {rC+ HP+2 AC+2 EV+2
                  | SH+2}
177150 | Zig:16   | Identified the +8 mace of Myih {flame, Will+}
177178 | Zig:17   | Entered Level 17 of a ziggurat
177184 | Zig:17   | Tricky101: ill send progress pics
177199 | Zig:17   | Valagong: nice
177200 | Zig:17   | Tricky101: since im cutting it in half
177200 | Zig:17   | Valagong: u better
177205 | Zig:17   | Valagong: hes cutting ur limb in half?
177208 | Zig:17   | Noticed a dread lich
177209 | Zig:17   | Tricky101: im getting HXH, FMA, Spike, Naruto
177210 | Zig:17   | Killed a dread lich
177510 | Zig:17   | Tricky101: na the tattoo was gonna be 9 panels
177575 | Zig:17   | Identified the +2 leather armour of the Thirsty Ziggurats
                  | {Int+3 Dex+5}
177588 | Zig:17   | Identified the +0 scale mail of Wojoemet {Fly}
177589 | Zig:17   | Identified the ring "Womupep" {Fly rC+ Int-3 SInv}
177593 | Zig:17   | Identified the +2 ring mail of Servitude {Rampage Fly}
177599 | Zig:17   | Identified the +0 troll leather armour of Qazlal's
                  | Displeasure {*Slow Regen+ Str+3}
177624 | Zig:17   | Tricky101: cutting it to 4 for now
177634 | Zig:17   | Valagong: oh
177643 | Zig:17   | Valagong: u could always go back to him
177644 | Zig:18   | Entered Level 18 of a ziggurat
177644 | Zig:18   | Noticed a royal mummy
177644 | Zig:18   | Noticed a royal mummy
177644 | Zig:18   | Noticed a royal mummy
177644 | Zig:18   | Noticed a royal mummy
177644 | Zig:18   | Noticed a royal mummy
177644 | Zig:18   | Noticed a royal mummy
177644 | Zig:18   | Noticed a royal mummy
177644 | Zig:18   | Noticed a royal mummy
177644 | Zig:18   | Noticed a royal mummy
177644 | Zig:18   | Noticed a royal mummy
177644 | Zig:18   | Noticed a royal mummy
177644 | Zig:18   | Noticed a royal mummy
177644 | Zig:18   | Noticed a royal mummy
177644 | Zig:18   | Noticed a royal mummy
177644 | Zig:18   | Noticed a royal mummy
177644 | Zig:18   | Noticed a royal mummy
177644 | Zig:18   | Noticed a royal mummy
177644 | Zig:18   | Noticed a royal mummy
177645 | Zig:18   | Valagong: to add more
177645 | Zig:18   | Killed a royal mummy
177645 | Zig:18   | Killed a royal mummy
177645 | Zig:18   | Killed a royal mummy
177645 | Zig:18   | Killed a royal mummy
177645 | Zig:18   | Killed a royal mummy
177645 | Zig:18   | Killed a royal mummy
177645 | Zig:18   | Killed a royal mummy
177645 | Zig:18   | Killed a royal mummy
177645 | Zig:18   | Killed a royal mummy
177645 | Zig:18   | Killed a royal mummy
177645 | Zig:18   | Killed a royal mummy
177645 | Zig:18   | Killed a royal mummy
177645 | Zig:18   | Killed a royal mummy
177646 | Zig:18   | Tricky101: cause im moving and need to save
177646 | Zig:18   | Noticed a royal mummy
177646 | Zig:18   | Noticed a royal mummy
177647 | Zig:18   | Noticed a royal mummy
177647 | Zig:18   | Noticed a royal mummy
177648 | Zig:18   | Killed a royal mummy
177649 | Zig:18   | Noticed a royal mummy
177649 | Zig:18   | Noticed a royal mummy
177649 | Zig:18   | Noticed a dread lich
177649 | Zig:18   | Killed a royal mummy
177650 | Zig:18   | Noticed a royal mummy
177650 | Zig:18   | Noticed a royal mummy
177650 | Zig:18   | Killed a royal mummy
177651 | Zig:18   | Noticed a royal mummy
177651 | Zig:18   | Noticed a royal mummy
177651 | Zig:18   | Noticed a royal mummy
177651 | Zig:18   | Noticed a royal mummy
177651 | Zig:18   | Killed a royal mummy
177651 | Zig:18   | Killed a royal mummy
177652 | Zig:18   | Tricky101: yea i am gonna
177652 | Zig:18   | Killed a royal mummy
177652 | Zig:18   | Killed a royal mummy
177652 | Zig:18   | Killed a royal mummy
177652 | Zig:18   | Killed a royal mummy
177652 | Zig:18   | Killed a royal mummy
177652 | Zig:18   | Killed a royal mummy
177652 | Zig:18   | Killed a royal mummy
177652 | Zig:18   | Killed a dread lich
177652 | Zig:18   | Noticed a royal mummy
177653 | Zig:18   | Noticed a royal mummy
177653 | Zig:18   | Noticed a royal mummy
177653 | Zig:18   | Noticed a royal mummy
177654 | Zig:18   | Noticed a royal mummy
177656 | Zig:18   | Killed a royal mummy
177656 | Zig:18   | Killed a royal mummy
177656 | Zig:18   | Killed a royal mummy
177656 | Zig:18   | Killed a royal mummy
177656 | Zig:18   | Killed a royal mummy
177656 | Zig:18   | Killed a royal mummy
177656 | Zig:18   | Killed a royal mummy
177656 | Zig:18   | Killed a royal mummy
177657 | Zig:18   | Noticed a royal mummy
177658 | Zig:18   | Killed a royal mummy
177658 | Zig:18   | Noticed a royal mummy
177659 | Zig:18   | Noticed a royal mummy
177659 | Zig:18   | Noticed a royal mummy
177660 | Zig:18   | Noticed a royal mummy
177661 | Zig:18   | Noticed a royal mummy
177662 | Zig:18   | Killed a royal mummy
177663 | Zig:18   | Killed a royal mummy
177663 | Zig:18   | Killed a royal mummy
177663 | Zig:18   | Killed a royal mummy
177663 | Zig:18   | Killed a royal mummy
177663 | Zig:18   | Killed a royal mummy
177665 | Zig:18   | Killed a royal mummy
178017 | Zig:18   | Identified the +3 pair of boots of Dishonesty {Dex+3}
178053 | Zig:18   | Identified the +1 shortbow "Ogreslayer" {drain, rF+ Dex+4}
178055 | Zig:18   | Identified the ring "Melet" {Fly rElec rC- Will+ SInv}
178058 | Zig:18   | Identified the +5 glaive "Jaicw" {heavy, rPois rF+ Str-3
                  | Dex+7}
178113 | Zig:18   | Identified the amulet "Tukkawuox" {Spirit rCorr Int+4}
178122 | Zig:18   | Tricky101: u have seen his work]
178122 | Zig:18   | Tricky101: he dont miss
178124 | Zig:19   | Entered Level 19 of a ziggurat
178129 | Zig:19   | Tricky101: lol
178137 | Zig:19   | Tricky101: rez floor
178145 | Zig:19   | Tricky101: ez
178296 | Zig:19   | Identified the staff of fire "Qiurytoff" {rF+ rC+ Str+3
                  | Int+3}
178297 | Zig:19   | Valagong: yea good shit
178297 | Zig:19   | Tricky101: so
178314 | Zig:19   | Identified the staff of conjuration "Fonwowon" {Will+}
178315 | Zig:19   | Identified the +1 leather armour of Narip {Rampage rC++
                  | Will+ Str-4}
178316 | Zig:19   | Identified the amulet of Gozag's Envy {Faith rF+ Stlth+}
178320 | Zig:19   | Identified the staff of earth "Nesyah" {Int+4}
178344 | Zig:19   | Identified the +8 battleaxe "Sulud" {freeze, Contam rPois
                  | Dex-4 SInv}
178669 | Zig:19   | Tricky101: do they not always get harder later?
178709 | Zig:20   | Entered Level 20 of a ziggurat
178714 | Zig:20   | Tricky101: like 6 comp to 19+
179097 | Zig:20   | Identified the amulet "Kyxiarph" {Reflect +Inv rC- Str+4
                  | SH+5 Stlth+}
179162 | Zig:20   | Identified the +6 chain mail of the Barber Surgeon {rPois}
179163 | Zig:20   | Identified the +0 ring mail "Noidecy" {Dex+4}
179165 | Zig:20   | Valagong: i think fizzle was about right of the difficulty
                  | cap being like 13
179173 | Zig:20   | Identified the +1 robe of Rudicu {rElec rF+}
179187 | Zig:20   | shadowrider38: yeah
179187 | Zig:20   | Tricky101: 13 finishs or floors
179187 | Zig:20   | Valagong: past 13 or so ziggs the entire screen is filled
                  | nomatter what
179187 | Zig:20   | shadowrider38: its completely full at 13 i think
179188 | Zig:20   | Identified the amulet of the Voivode {Reflect Dex+8 SH+5}
179189 | Zig:20   | Identified the +3 flail of Eternal Vigilance {freeze,
                  | +Blink rCorr MP-9 SInv}
179199 | Zig:20   | Identified the +1 long sword "Xestruase" {vamp, rElec rPois
                  | Will+ Dex+2}
179215 | Zig:20   | Tricky101: floor
179216 | Zig:20   | Tricky101: kk
179216 | Zig:20   | Valagong: 13 ziggs
179219 | Zig:21   | Entered Level 21 of a ziggurat
179224 | Zig:21   | Noticed an ancient lich
179224 | Zig:21   | Noticed a dread lich
179224 | Zig:21   | Noticed a dread lich
179224 | Zig:21   | Noticed an ancient lich
179224 | Zig:21   | Noticed a dread lich
179224 | Zig:21   | Noticed an ancient lich
179224 | Zig:21   | Noticed a dread lich
179224 | Zig:21   | Noticed an ancient lich
179224 | Zig:21   | Noticed an ancient lich
179224 | Zig:21   | Noticed a dread lich
179224 | Zig:21   | Noticed an ancient lich
179224 | Zig:21   | Noticed a dread lich
179224 | Zig:21   | Noticed an ancient lich
179224 | Zig:21   | Noticed a dread lich
179224 | Zig:21   | Noticed a dread lich
179225 | Zig:21   | Killed a dread lich
179225 | Zig:21   | Killed a dread lich
179225 | Zig:21   | Killed an ancient lich
179225 | Zig:21   | Killed an ancient lich
179225 | Zig:21   | Noticed an ancient lich
179225 | Zig:21   | Noticed a dread lich
179225 | Zig:21   | Noticed a dread lich
179226 | Zig:21   | Killed an ancient lich
179226 | Zig:21   | Killed a dread lich
179226 | Zig:21   | Killed a dread lich
179226 | Zig:21   | Killed a dread lich
179226 | Zig:21   | Killed an ancient lich
179226 | Zig:21   | Killed a dread lich
179226 | Zig:21   | Killed an ancient lich
179226 | Zig:21   | Killed a dread lich
179226 | Zig:21   | Killed an ancient lich
179226 | Zig:21   | Killed an ancient lich
179226 | Zig:21   | Killed a dread lich
179226 | Zig:21   | Killed a dread lich
179226 | Zig:21   | Killed a dread lich
179227 | Zig:21   | Noticed a dread lich
179227 | Zig:21   | Noticed a dread lich
179227 | Zig:21   | Noticed a dread lich
179229 | Zig:21   | Noticed a dread lich
179229 | Zig:21   | Killed an ancient lich
179230 | Zig:21   | Killed a dread lich
179230 | Zig:21   | Valagong: they scale as you do more whole ziggs
179230 | Zig:21   | Noticed a dread lich
179231 | Zig:21   | Noticed an ancient lich
179231 | Zig:21   | Noticed an ancient lich
179231 | Zig:21   | Noticed a dread lich
179231 | Zig:21   | Noticed a dread lich
179232 | Zig:21   | Noticed an ancient lich
179232 | Zig:21   | Noticed an ancient lich
179232 | Zig:21   | Noticed a dread lich
179233 | Zig:21   | Killed a dread lich
179234 | Zig:21   | Noticed an ancient lich
179234 | Zig:21   | Noticed an ancient lich
179234 | Zig:21   | Killed a dread lich
179234 | Zig:21   | Killed a dread lich
179235 | Zig:21   | Noticed an ancient lich
179235 | Zig:21   | Killed an ancient lich
179236 | Zig:21   | Noticed an ancient lich
179238 | Zig:21   | Killed an ancient lich
179238 | Zig:21   | Killed a dread lich
179238 | Zig:21   | Killed a dread lich
179238 | Zig:21   | Killed an ancient lich
179240 | Zig:21   | Killed an ancient lich
179240 | Zig:21   | Killed an ancient lich
179240 | Zig:21   | Killed an ancient lich
179240 | Zig:21   | Killed an ancient lich
179240 | Zig:21   | Killed an ancient lich
179240 | Zig:21   | Killed a dread lich
179240 | Zig:21   | Killed a dread lich
179378 | Zig:21   | Identified the +4 scale mail "Loliun" {Regen+ Int+2 Stlth+}
179382 | Zig:21   | Identified the +3 shortbow of the Unkillable {heavy, rN+
                  | Int+2}
179394 | Zig:21   | Identified the ring of Temptation {rPois rC+ rCorr Str+3
                  | Int+3}
179615 | Zig:21   | Acquired 846 gold pieces
179617 | Zig:21   | Identified the staff of cold "Migraig" {rPois rC+}
179634 | Zig:21   | Identified the staff of fire "Hinuim" {*Slow rF+ Dex+5}
179657 | Zig:22   | Entered Level 22 of a ziggurat
179660 | Zig:22   | Paralysed by a wendigo for 1 turns
179666 | Zig:22   | Noticed an ancient lich
179673 | Zig:22   | Killed an ancient lich
180005 | Zig:22   | Identified the staff of death "Tiacuam" {rN+ Dex+3}
180075 | Zig:22   | Identified the staff of poison "Kuddiu" {rPois rC- Dex+3}
180080 | Zig:22   | Identified the +1 robe "Fefeynwi" {rN+}
180090 | Zig:22   | Identified the +7 flail of Fae Exoneration {elec, rPois
                  | Str+9 Int-2 Dex-5}
180096 | Zig:22   | Identified the +5 quarterstaff "Jekhlu" {venom, *Slow rElec
                  | rF+ Dex+3}
180099 | Zig:22   | Identified the +11 morningstar "Kacas" {protect, *Rage
                  | Int-3 Dex+7}
180105 | Zig:22   | Identified the +7 shortbow of Wyrd {heavy, Contam Str+6}
180106 | Zig:22   | Identified the +9 flail of Makhleb {venom, rPois rCorr MP+9
                  | Dex+3}
180108 | Zig:22   | Identified the +1 ring mail "Omiedghe" {rElec}
180111 | Zig:22   | Identified the +2 hand axe of Xigimezi {flame, rPois rC+
                  | Int+2 Dex+3}
180113 | Zig:22   | Identified the +1 robe "Uloan" {*Corrode Str+5}
180114 | Zig:22   | Identified the +0 plate armour "Xitwooh" {rElec Will+}
180115 | Zig:22   | Identified the staff of cold "Vueliqa" {rElec rPois rC+
                  | Str+5 Int-3}
180116 | Zig:22   | Tricky101: and val what number are we going for again
180167 | Zig:22   | Valagong: 27
180169 | Zig:23   | Entered Level 23 of a ziggurat
180172 | Zig:23   | Tricky101: and do you get credit if you die?
180174 | Zig:23   | Valagong: ya
180175 | Zig:23   | Tricky101: kk
180179 | Zig:23   | Valagong: i prolly will die
180189 | Zig:23   | Tricky101: na
180189 | Zig:23   | Tricky101: shadow will
180189 | Zig:23   | shadowrider38: i will die
180189 | Zig:23   | shadowrider38: in your place
180189 | Zig:23   | Tricky101: he always dies for my sins
180189 | Zig:23   | Tricky101: XD
180190 | Zig:23   | Tricky101: what number u on anyways total shadow
180191 | Zig:23   | Noticed Etagint the pandemonium lord
180191 | Zig:23   | Valagong: we can have a race
180191 | Zig:23   | Valagong: see who dies first
180192 | Zig:23   | shadowrider38: it will be me
180192 | Zig:23   | Tricky101: idk
180193 | Zig:23   | Tricky101: shadow wins every race
180194 | Zig:23   | Tricky101: i wouldnt call it that
180195 | Zig:23   | Tricky101: he is speed
180195 | Zig:23   | shadowrider38: heh
180195 | Zig:23   | Tricky101: sanic
180201 | Zig:23   | shadowrider38: oh ma go
180201 | Zig:23   | shadowrider38: stop sapping me
180206 | Zig:23   | Tricky101: Tricky "I learn from watching you, i wanna be
                  | speed like you one day" Shadow "uhhh dont do anything i do"
180206 | Zig:23   | Valagong: lol
180206 | Zig:23   | shadowrider38: yeah
180206 | Zig:23   | shadowrider38: dont do what i do
180206 | Zig:23   | shadowrider38: i am surprisingly bad at this game
180212 | Zig:23   | shadowrider38: look at me right now
180215 | Zig:23   | Tricky101: if your bad then i have no chance
180224 | Zig:23   | Killed Etagint the pandemonium lord
180226 | Zig:23   | Valagong: sap is rough
180235 | Zig:23   | Tricky101: but i think i came to terms with me never being
                  | good a long time ago
180239 | Zig:23   | Identified the staff of fire "Ruyrybri" {rPois rF+ rC+
                  | rCorr Stlth-}
180656 | Zig:23   | Identified the +5 chain mail "Saqauwarr" {Fly rPois MP-9
                  | Stlth+}
180660 | Zig:23   | Identified the staff of earth "Joagifak" {rC+}
180673 | Zig:23   | Identified the ring "Tichics" {rN+ Int+3 Dex+3}
180677 | Zig:23   | Identified the +0 pair of boots of Lugonu's Supremacy
                  | {Slay+3}
180679 | Zig:23   | Identified the +1 rapier of Wyrd {flame, rN+}
180683 | Zig:23   | Identified the ring "Pobufiff" {rElec rF+ rN++ EV+5 Str-5}
180695 | Zig:23   | Identified the ring "Zolair" {rCorr Int+5 Dex+4 SInv}
180717 | Zig:24   | Entered Level 24 of a ziggurat
180736 | Zig:24   | Gained mutation: You passively map a small area around you.
                  | [hidden potential]
180736 | Zig:24   | Lost mutation: You have hidden genetic potential. [hidden
                  | potential expressed]
180916 | Zig:24   | Identified the amulet "Jasuxeipn" {Faith Str+3 Dex+2 SInv}
180923 | Zig:24   | shadowrider38: be a believer
181275 | Zig:24   | Identified the staff of poison "Semebom" {rPois SInv}
181277 | Zig:24   | Identified the +7 mace "Gazioxif" {freeze, Str+5}
181287 | Zig:24   | Identified the +3 ring mail "Pitifon" {rCorr Dex+3}
181294 | Zig:24   | Identified the ring of the Moon {Fire Dex+2}
181299 | Zig:24   | Identified the +0 shortbow "Ogrebane" {drain, rElec Dex+2}
181307 | Zig:24   | Identified the +3 kite shield of the Cricket {rN+}
181373 | Zig:25   | Entered Level 25 of a ziggurat
181592 | Zig:25   | Identified the +5 shortbow of Ekanlefa {flame, *Corrode
                  | Int+7 Dex+2}
181604 | Zig:25   | Identified the +0 scale mail of Xom's Righteous Anger
                  | {Regen+}
181606 | Zig:25   | Identified the staff of poison "Kethel" {rPois SInv}
181607 | Zig:25   | Identified the +9 morningstar of Brawling {freeze, rN+}
181611 | Zig:25   | Identified the staff of conjuration "Badghati" {rF+}
181615 | Zig:25   | Identified the ring "Naekuh" {rElec Str-4 Int+6 Dex+10
                  | SInv}
181665 | Zig:25   | Identified the staff of death "Fyteno" {rN+ Dex+10 SInv}
181951 | Zig:26   | Entered Level 26 of a ziggurat
182363 | Zig:26   | Identified the scarf "Horobifri" {harm, rElec Will+ Str+3}
182432 | Zig:26   | Identified the +8 flail "Fequg" {flame, rElec}
182438 | Zig:26   | Identified the +0 swamp dragon scales of the Trout {rPois
                  | Int+5}
182444 | Zig:26   | Identified the +6 broad axe of Moral Flaws {flame, rPois
                  | Will+}
182445 | Zig:26   | Identified the ring "Eskuret" {Drain Will+ Dex+4 SInv
                  | Stlth+}
182447 | Zig:26   | Identified the ring of Lycit {rN+ Int+2}
182450 | Zig:26   | Identified the +2 flail of Tufeam {pain, *Corrode Str+2
                  | Stlth+}
182458 | Zig:26   | Identified the +9 long sword "Acarinebane" {venom, rPois}
182459 | Zig:26   | Identified the staff of poison "Xais" {rPois rN+ Str+2
                  | Dex-4}
182561 | Zig:27   | Entered Level 27 of a ziggurat
182588 | Zig:27   | Noticed Quank the pandemonium lord
182592 | Zig:27   | Killed Quank the pandemonium lord
182610 | Zig:27   | Tricky101: then believe in 28 zigs bitch
182783 | Zig:27   | Valagong: u got dis
182908 | Zig:27   | shadowrider38: i hope so
182908 | Zig:27   | shadowrider38: dis is pretty easy
183095 | Zig:27   | Identified the staff of death "Liffety" {Contam rF+ rN+
                  | Str+2 Int+3}
183104 | Zig:27   | Identified the +1 scimitar "Sais" {holy, *Rage Int+4 SInv}
183105 | Zig:27   | Identified the +3 war axe of Thoughtfulness {elec, Stlth+}
183107 | Zig:27   | Identified the +1 battleaxe of Daties {pain, Drain rPois
                  | Will- Str+7}
183111 | Zig:27   | Identified the staff of cold "Peeth" {Fly rC+ rN+}
183124 | Zig:27   | Identified the ring "Ymipu" {rElec rPois}
183127 | Zig:27   | Identified the +5 sling of Radicalism {heavy, rF+ rCorr}
183200 | Depths:1 | Lost mutation: You passively map a small area around you.
                  | [potion of mutation]
183200 | Depths:1 | Lost mutation: You have a pair of horns on your head.
                  | [potion of mutation]
183200 | Depths:1 | Lost mutation: You expend magic power (3 MP) to strengthen
                  | your wands. [potion of mutation]
183200 | Depths:1 | Gained mutation: You are agile. (Dex +4, Str/Int -1)
                  | [potion of mutation]
183200 | Depths:1 | Gained mutation: You are weak. (Str -2) [potion of
                  | mutation]
183200 | Depths:1 | Gained mutation: You have hidden genetic potential. [potion
                  | of mutation]
183201 | Depths:1 | Lost mutation: You are agile. (Dex +4, Str/Int -1) [potion
                  | of mutation]
183201 | Depths:1 | Lost mutation: You have an increased reservoir of magic.
                  | (+10% MP) [potion of mutation]
183201 | Depths:1 | Gained mutation: You have large cloven feet. [potion of
                  | mutation]
183201 | Depths:1 | Gained mutation: You have a pair of horns on your head.
                  | [potion of mutation]
183202 | Depths:1 | Tricky101: u flying through
183202 | Depths:1 | Lost mutation: You are resistant to electric shocks.
                  | (rElec) [potion of mutation]
183202 | Depths:1 | Lost mutation: You have a pair of horns on your head.
                  | [potion of mutation]
183202 | Depths:1 | Lost mutation: You have a pair of small horns on your head.
                  | [potion of mutation]
183202 | Depths:1 | Gained mutation: Your body sometimes deteriorates upon
                  | taking damage. [potion of mutation]
183203 | Depths:1 | Lost mutation: Your body sometimes deteriorates upon taking
                  | damage. [potion of mutation]
183203 | Depths:1 | Lost mutation: You are weak. (Str -2) [potion of mutation]
183203 | Depths:1 | Lost mutation: You have hidden genetic potential. [potion
                  | of mutation]
183203 | Depths:1 | Gained mutation: You are resistant to electric shocks.
                  | (rElec) [potion of mutation]
183206 | Depths:1 | Lost mutation: You are resistant to electric shocks.
                  | (rElec) [potion of mutation]
183206 | Depths:1 | Lost mutation: You have large cloven feet. [potion of
                  | mutation]
183206 | Depths:1 | Gained mutation: You are robust. (+10% HP) [potion of
                  | mutation]
183206 | Depths:1 | Gained mutation: You have large cloven feet. [potion of
                  | mutation]
183207 | Depths:1 | Lost mutation: You are robust. (+10% HP) [potion of
                  | mutation]
183207 | Depths:1 | Lost mutation: You have large cloven feet. [potion of
                  | mutation]
183207 | Depths:1 | Gained mutation: Your muscles are strong. (Str +4, Int/Dex
                  | -1) [potion of mutation]
183207 | Depths:1 | Gained mutation: You have hidden genetic potential. [potion
                  | of mutation]
183207 | Depths:1 | Gained mutation: You are clumsy. (Dex -2) [potion of
                  | mutation]
183208 | Depths:1 | Lost mutation: You are clumsy. (Dex -2) [potion of
                  | mutation]
183208 | Depths:1 | Lost mutation: Your muscles are strong. (Str +4, Int/Dex
                  | -1) [potion of mutation]
183208 | Depths:1 | Lost mutation: You have hidden genetic potential. [potion
                  | of mutation]
183208 | Depths:1 | Gained mutation: You expend magic power (3 MP) to
                  | strengthen your wands. [potion of mutation]
183209 | Depths:1 | Lost mutation: You expend magic power (3 MP) to strengthen
                  | your wands. [potion of mutation]
183209 | Depths:1 | Gained mutation: You are somewhat resistant to further
                  | mutation. [potion of mutation]
183210 | Depths:1 | Lost mutation: You are somewhat resistant to further
                  | mutation. [potion of mutation]
183210 | Depths:1 | Gained mutation: Your flesh is cold resistant. (rC+)
                  | [potion of mutation]
183210 | Depths:1 | Gained mutation: Your mind is acute. (Int +4, Str/Dex -1)
                  | [potion of mutation]
183220 | Depths:1 | shadowrider38: tank
183220 | Depths:1 | shadowrider38: means death is inevitable
183221 | Zig:1    | Entered Level 1 of a ziggurat
183300 | Zig:2    | Entered Level 2 of a ziggurat
183363 | Zig:2    | Identified the ring of Levvur {Slay+5 SInv}
183378 | Zig:2    | Identified the +6 battleaxe "Arbiter" {vamp, Int+8}
183393 | Zig:2    | shadowrider38: i wish
183393 | Zig:2    | shadowrider38: i could just delete this mutation
183393 | Zig:2    | Valagong: lmfao
183393 | Zig:2    | Valagong: the ally demon?
183393 | Zig:2    | shadowrider38: yes
183393 | Zig:2    | Valagong: looks like it'd get annoying
183393 | Zig:2    | shadowrider38: i am fine with it not existing
183393 | Zig:2    | shadowrider38: give me one less
183393 | Zig:2    | shadowrider38: its okay
183394 | Zig:3    | Entered Level 3 of a ziggurat
183395 | Zig:3    | Valagong: i accidently spawned a servitor a couple times
183399 | Zig:3    | Noticed an ancient lich
183400 | Zig:3    | Valagong: and it drove me nuts
183404 | Zig:3    | Killed an ancient lich
183408 | Zig:3    | Identified the staff of conjuration "Nilixky" {+Blink}
183533 | Zig:4    | Entered Level 4 of a ziggurat
183772 | Zig:5    | Entered Level 5 of a ziggurat
183772 | Zig:5    | Noticed a juggernaut
183772 | Zig:5    | Noticed a juggernaut
183773 | Zig:5    | Killed a juggernaut
183773 | Zig:5    | Killed a juggernaut
183788 | Zig:5    | shadowrider38: fo real
184022 | Zig:6    | Entered Level 6 of a ziggurat
184024 | Zig:6    | Noticed an ancient lich
184028 | Zig:6    | Killed an ancient lich
184029 | Zig:6    | Noticed a dread lich
184037 | Zig:6    | Killed a dread lich
184188 | Zig:6    | Identified the +8 whip "Defy" {drain, rElec}
184196 | Zig:6    | Identified the +2 broad axe of the Endless Nights {flame,
                  | rCorr Int+2}
184268 | Zig:7    | Entered Level 7 of a ziggurat
184268 | Zig:7    | Noticed Qorirch the pandemonium lord
184268 | Zig:7    | Noticed Fumuogiu the pandemonium lord
184268 | Zig:7    | Noticed Cuaggoe the pandemonium lord
184268 | Zig:7    | Noticed Cydofrak the pandemonium lord
184269 | Zig:7    | Noticed Yriorchy the pandemonium lord
184269 | Zig:7    | Noticed Aptube the pandemonium lord
184269 | Zig:7    | Noticed Raetzeph the pandemonium lord
184270 | Zig:7    | Noticed Etret the pandemonium lord
184270 | Zig:7    | Noticed Fupnoh the pandemonium lord
184270 | Zig:7    | Noticed Wioxtypa the pandemonium lord
184271 | Zig:7    | Killed Etret the pandemonium lord
184271 | Zig:7    | Noticed Kausu the pandemonium lord
184271 | Zig:7    | Noticed Xon Juc the pandemonium lord
184272 | Zig:7    | Killed Fupnoh the pandemonium lord
184272 | Zig:7    | Killed Cydofrak the pandemonium lord
184272 | Zig:7    | Noticed Efycymax the pandemonium lord
184273 | Zig:7    | Noticed Migos the pandemonium lord
184273 | Zig:7    | Killed Cuaggoe the pandemonium lord
184273 | Zig:7    | Killed Yriorchy the pandemonium lord
184273 | Zig:7    | Noticed Horaal the pandemonium lord
184274 | Zig:7    | Killed Raetzeph the pandemonium lord
184274 | Zig:7    | Killed Fumuogiu the pandemonium lord
184274 | Zig:7    | Killed Qorirch the pandemonium lord
184274 | Zig:7    | Killed Wioxtypa the pandemonium lord
184275 | Zig:7    | Killed Kausu the pandemonium lord
184275 | Zig:7    | Killed Aptube the pandemonium lord
184275 | Zig:7    | Noticed Ynuhi the pandemonium lord
184275 | Zig:7    | Killed Xon Juc the pandemonium lord
184276 | Zig:7    | Valagong: how do u cancel the
184276 | Zig:7    | Noticed Yzoukk the pandemonium lord
184277 | Zig:7    | Noticed Wesar the pandemonium lord
184277 | Zig:7    | Valagong: chain lightning
184277 | Zig:7    | Valagong: animation
184277 | Zig:7    | Noticed Vitwiom the pandemonium lord
184278 | Zig:7    | Killed Migos the pandemonium lord
184279 | Zig:7    | Killed Efycymax the pandemonium lord
184280 | Zig:7    | Killed Horaal the pandemonium lord
184280 | Zig:7    | Killed Vitwiom the pandemonium lord
184281 | Zig:7    | shadowrider38: is mine canceled
184281 | Zig:7    | shadowrider38: or not
184281 | Zig:7    | Valagong: its
184281 | Zig:7    | Valagong: very fast
184281 | Zig:7    | Killed Ynuhi the pandemonium lord
184281 | Zig:7    | Killed Yzoukk the pandemonium lord
184282 | Zig:7    | Valagong: mine is slow
184282 | Zig:7    | shadowrider38: im not sure
184282 | Zig:7    | Valagong: &rc shadowrider38
184282 | Zig:7    | beem:
                  | https://cbro.berotato.org/rcfiles/crawl-0.30/shadowrider38.
                  | rc
184282 | Zig:7    | shadowrider38: yermak had me copy most of his stuff
184282 | Zig:7    | Killed Wesar the pandemonium lord
184456 | Zig:7    | Identified the ring "Buxt" {Wiz rPois rF+ Will+++}
184468 | Zig:7    | Identified the staff of air "Viaso" {Drain rElec rCorr
                  | Int+2 Dex+2}
184544 | Zig:8    | Entered Level 8 of a ziggurat
184856 | Zig:8    | Identified the amulet of Sutupurch {Will++ Regen+ Str-2}
184862 | Zig:8    | Identified the ring "Ycsu" {Contam rF+ Dex+5 SInv}
184867 | Zig:8    | Identified the ring "Goharept" {rElec rPois rC++ Will+
                  | MP-9}
184869 | Zig:8    | Identified the amulet of the Tarantula {Reflect Str+2 SH+5}
184870 | Zig:8    | Valagong: ur rc file is so long
184874 | Zig:9    | Entered Level 9 of a ziggurat
184892 | Zig:9    | Valagong: i'm too dumb to look through it
184925 | Zig:9    | shadowrider38: me too
184925 | Zig:9    | shadowrider38: lol ive only edited a couple of thigns
184925 | Zig:9    | shadowrider38: i actually think some of repeats itself
184925 | Zig:9    | shadowrider38: from the little perusing ive done
185032 | Zig:9    | Identified the +1 rapier "Itoruduw" {flame, *Corrode rElec
                  | Int+4 Dex+3}
185199 | Zig:9    | Valagong: lol
185207 | Zig:10   | Entered Level 10 of a ziggurat
185211 | Zig:10   | Paralysed by an air elemental for 1 turns
185402 | Zig:10   | Tricky101: why is it so big...
185525 | Zig:10   | Identified the staff of earth "Xutysy" {rElec rN++ SInv
                  | Stlth+}
185534 | Zig:10   | Identified the staff of poison "Fialauna" {rPois Will+
                  | Int+2 Dex+2}
185539 | Zig:11   | Entered Level 11 of a ziggurat
185541 | Zig:11   | Paralysed by a floating eye for 4 turns
185691 | Zig:11   | Identified the +1 ice dragon scales of Conscience {rF- rC++
                  | Stlth+}
185875 | Zig:12   | Entered Level 12 of a ziggurat
185875 | Zig:12   | Noticed a royal mummy
185875 | Zig:12   | Noticed a royal mummy
185875 | Zig:12   | Noticed a royal mummy
185875 | Zig:12   | Noticed a royal mummy
185875 | Zig:12   | Noticed a royal mummy
185875 | Zig:12   | Noticed a royal mummy
185875 | Zig:12   | Noticed a royal mummy
185875 | Zig:12   | Noticed a royal mummy
185875 | Zig:12   | Noticed a royal mummy
185875 | Zig:12   | Noticed a royal mummy
185876 | Zig:12   | Killed a royal mummy
185876 | Zig:12   | Killed a royal mummy
185876 | Zig:12   | Killed a royal mummy
185876 | Zig:12   | Killed a royal mummy
185876 | Zig:12   | Killed a royal mummy
185876 | Zig:12   | Killed a royal mummy
185876 | Zig:12   | Killed a royal mummy
185877 | Zig:12   | shadowrider38: because a better player than i went through
                  | the trouble of making it awesome
185877 | Zig:12   | shadowrider38: and i mooched
185877 | Zig:12   | Killed a royal mummy
185878 | Zig:12   | Noticed a royal mummy
185878 | Zig:12   | Noticed a royal mummy
185878 | Zig:12   | Noticed a royal mummy
185880 | Zig:12   | Valagong: idk girls always ask me the same thing
185881 | Zig:12   | Noticed a royal mummy
185883 | Zig:12   | Killed a royal mummy
185883 | Zig:12   | Killed a royal mummy
185883 | Zig:12   | Killed a royal mummy
185883 | Zig:12   | Killed a royal mummy
185885 | Zig:12   | Valagong: (:
185888 | Zig:12   | shadowrider38: lol
185888 | Zig:12   | Killed a royal mummy
185888 | Zig:12   | Killed a royal mummy
185889 | Zig:12   | Found the +3 pair of mountain boots {steadfast, rC+}
185889 | Zig:12   | Noticed a royal mummy
185890 | Zig:12   | Noticed a royal mummy
185896 | Zig:12   | Killed a royal mummy
185896 | Zig:12   | Killed a royal mummy
186186 | Zig:12   | Identified the +5 kite shield of Houw {rC+++ rN+++ Will-
                  | Str-3}
186196 | Zig:12   | Identified the ring "Eseo" {rElec rF+++ Will+}
186203 | Zig:12   | Identified the +1 leather armour "Caxteoh" {Fly Str+7}
186207 | Zig:12   | Identified the +6 morningstar "Fyrot" {speed, rF+ rCorr
                  | Int-4}
186209 | Zig:12   | Identified the staff of conjuration "Gaer" {rPois Dex+4}
186226 | Zig:12   | Identified the staff of air "Loruruem" {*Corrode rElec rF+
                  | Str+4}
186233 | Zig:12   | Identified the staff of air "Meq Zyna" {rElec rPois Str+2
                  | Dex+5}
186290 | Zig:13   | Entered Level 13 of a ziggurat
186458 | Zig:13   | Identified the +9 dagger of Eternal War {venom, +Blink
                  | rElec}
186463 | Zig:13   | Identified the +2 hand axe "Woympe" {heavy, SInv}
186698 | Zig:14   | Entered Level 14 of a ziggurat
186703 | Zig:14   | Paralysed by an air elemental for 1 turns
186757 | Zig:14   | shadowrider38: i went into one of the early zigs with no
                  | relec
186757 | Zig:14   | shadowrider38: and didnt realize
186757 | Zig:14   | shadowrider38: almost died
187115 | Zig:14   | Identified the +5 sling of Dyafisu {speed, rF+ rN+ Str-2}
187117 | Zig:14   | Identified the staff of death "Wedann" {rN+ rCorr}
187120 | Zig:14   | Identified the +2 halberd of Dafurho {pain, Str+2 Dex+3}
187129 | Zig:14   | Identified the +5 whip "Goblinslayer" {elec, rPois rC+
                  | Str+3}
187133 | Zig:14   | Identified the +3 whip "Zeigemao" {heavy, Fragile rC+
                  | Str+4}
187138 | Zig:14   | Identified the +7 scale mail of Seuph {rCorr Int+3 Stlth+}
187146 | Zig:14   | Valagong: damn
187149 | Zig:15   | Entered Level 15 of a ziggurat
187150 | Zig:15   | Valagong: i almost died on an early electric level with
                  | relec
187150 | Zig:15   | Valagong: lol
187351 | Zig:15   | shadowrider38: hah
187351 | Zig:15   | shadowrider38: nice
187381 | Zig:15   | Identified the +4 hand axe of Defence by Offence {drain,
                  | *Noise Str+6 Int-4}
187382 | Zig:15   | Identified the +1 great mace of Disintegration {flame,
                  | rElec rN+++ MP+9 Str-3}
187576 | Zig:15   | Identified the +10 flail "Kiadi" {spect, Dex+3}
187585 | Zig:16   | Entered Level 16 of a ziggurat
187585 | Zig:16   | Noticed a dread lich
187585 | Zig:16   | Noticed an ancient lich
187585 | Zig:16   | Noticed an ancient lich
187585 | Zig:16   | Noticed an ancient lich
187585 | Zig:16   | Noticed an ancient lich
187587 | Zig:16   | Killed an ancient lich
187587 | Zig:16   | Killed a dread lich
187587 | Zig:16   | Killed an ancient lich
187587 | Zig:16   | Killed an ancient lich
187590 | Zig:16   | Killed an ancient lich
187592 | Zig:16   | Noticed an ancient lich
187592 | Zig:16   | Noticed a dread lich
187593 | Zig:16   | Noticed an ancient lich
187594 | Zig:16   | Noticed an ancient lich
187595 | Zig:16   | Noticed a dread lich
187595 | Zig:16   | Noticed an ancient lich
187595 | Zig:16   | Noticed a dread lich
187595 | Zig:16   | Noticed a dread lich
187595 | Zig:16   | Noticed a dread lich
187597 | Zig:16   | Noticed a dread lich
187597 | Zig:16   | Tricky101: whats so important
187599 | Zig:16   | Killed an ancient lich
187599 | Zig:16   | Killed an ancient lich
187599 | Zig:16   | Killed a dread lich
187599 | Zig:16   | Killed an ancient lich
187599 | Zig:16   | Killed a dread lich
187599 | Zig:16   | Killed an ancient lich
187599 | Zig:16   | Killed a dread lich
187599 | Zig:16   | Killed a dread lich
187599 | Zig:16   | Killed a dread lich
187599 | Zig:16   | Killed a dread lich
187599 | Zig:16   | Noticed a dread lich
187601 | Zig:16   | Tricky101: about rele
187605 | Zig:16   | Killed a dread lich
187608 | Zig:16   | Tricky101: in here specificly
187608 | Zig:16   | shadowrider38: you kinda get destroyed
187608 | Zig:16   | shadowrider38: by a relec themed floor
187608 | Zig:16   | shadowrider38: idk what its actually called
187983 | Zig:16   | Identified the +6 broad axe of Kismet {speed, Fly rElec rC-
                  | Str+3}
187984 | Zig:16   | Valagong: with relec you get 50% less destroyed
187988 | Zig:16   | Identified the +7 scimitar "Daklian" {protect, rC++}
187989 | Zig:16   | Identified the +2 flail of Joalifek {flame, Dex+2}
187991 | Zig:16   | Identified the +2 pair of boots of Ru, Wizarding {rF+ rC+}
188037 | Zig:17   | Entered Level 17 of a ziggurat
188039 | Zig:17   | Noticed an ancient lich
188039 | Zig:17   | Noticed an ancient lich
188039 | Zig:17   | Noticed an ancient lich
188039 | Zig:17   | Noticed a dread lich
188039 | Zig:17   | Noticed an ancient lich
188039 | Zig:17   | Noticed a dread lich
188039 | Zig:17   | Noticed a dread lich
188039 | Zig:17   | Noticed an ancient lich
188040 | Zig:17   | Killed an ancient lich
188040 | Zig:17   | Killed an ancient lich
188040 | Zig:17   | Killed a dread lich
188040 | Zig:17   | Killed a dread lich
188040 | Zig:17   | Killed a dread lich
188040 | Zig:17   | Noticed a dread lich
188041 | Zig:17   | Noticed a dread lich
188041 | Zig:17   | Noticed a dread lich
188041 | Zig:17   | Noticed an ancient lich
188042 | Zig:17   | Noticed an ancient lich
188043 | Zig:17   | Noticed an ancient lich
188043 | Zig:17   | Noticed an ancient lich
188043 | Zig:17   | Noticed a dread lich
188043 | Zig:17   | Noticed an ancient lich
188044 | Zig:17   | Killed an ancient lich
188044 | Zig:17   | Killed an ancient lich
188044 | Zig:17   | Killed a dread lich
188044 | Zig:17   | Killed a dread lich
188044 | Zig:17   | Killed a dread lich
188044 | Zig:17   | Killed an ancient lich
188044 | Zig:17   | Killed an ancient lich
188044 | Zig:17   | Killed an ancient lich
188044 | Zig:17   | Killed a dread lich
188044 | Zig:17   | Noticed a dread lich
188045 | Zig:17   | Noticed a dread lich
188045 | Zig:17   | Noticed a dread lich
188045 | Zig:17   | Noticed an ancient lich
188045 | Zig:17   | Killed an ancient lich
188046 | Zig:17   | Noticed an ancient lich
188047 | Zig:17   | Noticed an ancient lich
188048 | Zig:17   | Noticed a dread lich
188048 | Zig:17   | Found the +5 robe of Night {Dark Will+ SInv}
188050 | Zig:17   | Killed an ancient lich
188050 | Zig:17   | Killed an ancient lich
188050 | Zig:17   | Killed an ancient lich
188050 | Zig:17   | Killed an ancient lich
188050 | Zig:17   | Killed a dread lich
188050 | Zig:17   | Killed a dread lich
188052 | Zig:17   | Killed a dread lich
188053 | Zig:17   | Killed an ancient lich
188053 | Zig:17   | Killed a dread lich
188056 | Zig:17   | Identified the +9 shortbow "Newtbane" {drain, Str+2}
188060 | Zig:17   | Identified the staff of air "Oghiuf" {rElec Dex+3}
188063 | Zig:17   | shadowrider38: i was also using seven league boots
188063 | Zig:17   | shadowrider38: so i ran right into the middle of everything
188167 | Zig:17   | Identified the +2 robe "Rusmiuji" {rC+}
188169 | Zig:17   | Identified the staff of conjuration "Uduef" {Fly rElec rC-}
188177 | Zig:17   | Identified the ring "Siluifud" {*Slow rElec rPois AC+4
                  | Int+2}
188248 | Zig:17   | Identified the +6 scimitar of Dissatisfaction {distort,
                  | rPois rF- Int+3 SInv}
188462 | Zig:17   | Valagong: LOL
188464 | Zig:18   | Entered Level 18 of a ziggurat
188464 | Zig:18   | Noticed a royal mummy
188464 | Zig:18   | Noticed a royal mummy
188464 | Zig:18   | Noticed a royal mummy
188464 | Zig:18   | Noticed a royal mummy
188464 | Zig:18   | Noticed a royal mummy
188464 | Zig:18   | Noticed a royal mummy
188464 | Zig:18   | Noticed a royal mummy
188464 | Zig:18   | Noticed a royal mummy
188464 | Zig:18   | Noticed a royal mummy
188464 | Zig:18   | Noticed a royal mummy
188464 | Zig:18   | Noticed a royal mummy
188464 | Zig:18   | Noticed a royal mummy
188464 | Zig:18   | Noticed a royal mummy
188464 | Zig:18   | Noticed a royal mummy
188465 | Zig:18   | Killed a royal mummy
188465 | Zig:18   | Killed a royal mummy
188465 | Zig:18   | Killed a royal mummy
188465 | Zig:18   | Killed a royal mummy
188465 | Zig:18   | Killed a royal mummy
188465 | Zig:18   | Killed a royal mummy
188465 | Zig:18   | Killed a royal mummy
188465 | Zig:18   | Killed a royal mummy
188465 | Zig:18   | Killed a royal mummy
188465 | Zig:18   | Killed a royal mummy
188465 | Zig:18   | Killed a royal mummy
188465 | Zig:18   | Noticed a royal mummy
188465 | Zig:18   | Noticed a royal mummy
188465 | Zig:18   | Noticed a royal mummy
188466 | Zig:18   | Noticed a royal mummy
188467 | Zig:18   | Noticed a royal mummy
188467 | Zig:18   | Killed a royal mummy
188467 | Zig:18   | Noticed a royal mummy
188469 | Zig:18   | Noticed a royal mummy
188469 | Zig:18   | Killed a royal mummy
188471 | Zig:18   | Noticed a royal mummy
188471 | Zig:18   | Noticed a royal mummy
188471 | Zig:18   | Noticed a royal mummy
188472 | Zig:18   | Killed a royal mummy
188472 | Zig:18   | Killed a royal mummy
188472 | Zig:18   | Killed a royal mummy
188472 | Zig:18   | Killed a royal mummy
188472 | Zig:18   | Killed a royal mummy
188472 | Zig:18   | Killed a royal mummy
188472 | Zig:18   | Killed a royal mummy
188472 | Zig:18   | Killed a royal mummy
188473 | Zig:18   | Noticed a royal mummy
188473 | Zig:18   | Noticed a royal mummy
188473 | Zig:18   | Noticed a royal mummy
188474 | Zig:18   | Killed a royal mummy
188474 | Zig:18   | Killed a royal mummy
188474 | Zig:18   | Noticed a royal mummy
188474 | Zig:18   | Noticed a royal mummy
188474 | Zig:18   | Noticed a royal mummy
188475 | Zig:18   | Noticed a royal mummy
188476 | Zig:18   | Noticed a royal mummy
188476 | Zig:18   | Noticed a royal mummy
188477 | Zig:18   | Killed a royal mummy
188477 | Zig:18   | Killed a royal mummy
188477 | Zig:18   | Killed a royal mummy
188477 | Zig:18   | Killed a royal mummy
188477 | Zig:18   | Killed a royal mummy
188477 | Zig:18   | Killed a royal mummy
188477 | Zig:18   | Killed a royal mummy
188478 | Zig:18   | Killed a royal mummy
188478 | Zig:18   | Killed a royal mummy
188479 | Zig:18   | Noticed a royal mummy
188479 | Zig:18   | Killed a royal mummy
188479 | Zig:18   | Noticed a royal mummy
188480 | Zig:18   | Noticed a royal mummy
188483 | Zig:18   | Noticed a royal mummy
188484 | Zig:18   | Killed a royal mummy
188486 | Zig:18   | Tricky101: lkol
188486 | Zig:18   | Killed a royal mummy
188486 | Zig:18   | Killed a royal mummy
188496 | Zig:18   | Killed a royal mummy
188919 | Zig:18   | Identified the ring "Rittyx" {rPois rF+ Str+6 Dex+2 Stlth-}
188927 | Zig:18   | Identified the +9 great mace of Fate {pain, Dex+3}
188928 | Zig:18   | Identified the +2 helmet of Vehumet {+Blink rN+ Stlth-}
188929 | Zig:18   | Identified the +7 rapier "Nomupt" {freeze, *Corrode Str+4
                  | Dex+6}
188971 | Zig:19   | Entered Level 19 of a ziggurat
188972 | Zig:19   | Tricky101: i just know almost nothing has ele dmg
188972 | Zig:19   | shadowrider38: its like
188972 | Zig:19   | shadowrider38: titans
188972 | Zig:19   | shadowrider38: and electric golems
188972 | Zig:19   | shadowrider38: just a lot of them
188992 | Zig:19   | Noticed Vituac the pandemonium lord
189014 | Zig:19   | Killed Vituac the pandemonium lord
189357 | Zig:19   | Identified the +0 short sword "Mysoil" {holy, rCorr MP+9
                  | Int+2}
189359 | Zig:19   | Identified the amulet "Kadeig Xiepp" {Spirit Harm Rampage
                  | Dex-4 Stlth+}
189371 | Zig:19   | Identified the staff of earth "Noxemen" {MP+9 Str+3 Dex-3}
189374 | Zig:19   | Identified the +0 scale mail "Nijaolank" {Int+2}
189375 | Zig:19   | Identified the staff of conjuration "Jamocu" {*Slow rPois
                  | rF+++ Str-3 Stlth+}
189380 | Zig:19   | Identified the staff of air "Qyliziwy" {rElec rC+ Dex+5}
189381 | Zig:19   | Identified the +8 short sword "Nasunuz" {protect, rPois
                  | Int+5}
189384 | Zig:19   | Identified the +5 plate armour of Leapfrog {Int+5 Dex-5}
189415 | Zig:20   | Entered Level 20 of a ziggurat
189434 | Zig:20   | Found the +3 crown of Dyrovepreva {rElec Int+2 SInv}
189844 | Zig:20   | Identified the +5 sling of Xaskix {heavy, Str+3}
189845 | Zig:20   | Identified the +1 chain mail "Zoudd" {rF+ rN+}
189846 | Zig:20   | Identified the staff of air "Hueh" {rElec rPois Will++
                  | rCorr}
189847 | Zig:20   | Identified the +5 shortbow of Linearity {elec, rElec rC+
                  | Str+2 Dex+3}
189850 | Zig:20   | Identified the +0 plate armour of Serendipity {Regen+ SInv}
189852 | Zig:20   | Identified the +0 morningstar of Bread {flame, Drain MP+9
                  | Str+3 Int+6}
189853 | Zig:20   | Identified the +6 short sword "Micvurr" {freeze, Fly rElec
                  | MP-9 Str-4}
189919 | Zig:20   | Identified the +7 war axe "Zucwiv" {flame, Dex+4}
190024 | Zig:21   | Entered Level 21 of a ziggurat
190038 | Zig:21   | Tricky101: i just like this cause i get to see so many
                  | uniques that i never see in my runs
190039 | Zig:21   | Tricky101: :)
190050 | Zig:21   | shadowrider38: heh
190267 | Zig:21   | Identified the +1 chain mail of the Loofah {rElec rF+
                  | Int-4}
190276 | Zig:21   | Identified the staff of cold "Tamow" {rC+ Str+3 Int+3}
190285 | Zig:21   | Identified the +1 battleaxe of Thoughtfulness {antimagic,
                  | rCorr}
190292 | Zig:21   | Identified the ring "Duoren" {Str+2 Dex+6}
190307 | Zig:21   | Identified the staff of death "Tuopheel" {rN+ Str-5 Int+7}
190319 | Zig:21   | Identified the +7 scimitar of Ghostly Defence {antimagic,
                  | Fragile rElec rC+++}
190325 | Zig:21   | Identified the staff of fire "Zistaled" {Drain Fly rPois
                  | rF+ Stlth+}
190328 | Zig:21   | Identified the staff of cold "Coli" {rPois rF+ rC+ Will+
                  | rCorr}
190329 | Zig:21   | Valagong: a bright side of the mana one is that even with
                  | moths you still gain more mana than they take
190330 | Zig:21   | Valagong: its insane
190339 | Zig:21   | Identified the +2 short sword of Tickenen {drain, rN+ rCorr
                  | SInv}
190483 | Zig:21   | shadowrider38: stop flexing
190500 | Zig:21   | Identified the +3 robe "Gaaron" {rF+ Str+2 Dex-5 Archmagi}
190536 | Zig:21   | Tricky101: XD
190611 | Zig:21   | Valagong: AHHHHH
190628 | Zig:21   | Tricky101: BIG COCK
190636 | Zig:21   | Valagong: I m sorry
190637 | Zig:22   | Entered Level 22 of a ziggurat
190638 | Zig:22   | Tricky101: VAL
190638 | Zig:22   | Tricky101: SWINGIN
190640 | Zig:22   | Noticed an orb of fire
190640 | Zig:22   | Noticed an orb of fire
190640 | Zig:22   | Noticed an orb of fire
190640 | Zig:22   | Noticed an orb of fire
190640 | Zig:22   | Noticed an orb of fire
190640 | Zig:22   | Noticed an orb of fire
190640 | Zig:22   | Noticed an orb of fire
190640 | Zig:22   | Noticed an orb of fire
190640 | Zig:22   | Noticed an orb of fire
190640 | Zig:22   | Noticed an orb of fire
190640 | Zig:22   | Noticed an orb of fire
190640 | Zig:22   | Noticed an orb of fire
190640 | Zig:22   | Noticed an orb of fire
190641 | Zig:22   | Noticed an orb of fire
190641 | Zig:22   | Tricky101: NICE TP
190641 | Zig:22   | Tricky101: CLEAN
190641 | Zig:22   | shadowrider38: ew
190641 | Zig:22   | Valagong: i'm litteraly just a lucker noob
190641 | Zig:22   | Tricky101: NOW VAPE
190641 | Zig:22   | Tricky101: VAPE
190641 | Zig:22   | Tricky101: FUCKN
190641 | Zig:22   | Tricky101: NAYSHE
190641 | Zig:22   | Noticed an orb of fire
190642 | Zig:22   | Noticed an orb of fire
190642 | Zig:22   | Noticed an orb of fire
190642 | Zig:22   | Noticed an orb of fire
190642 | Zig:22   | Noticed an orb of fire
190642 | Zig:22   | Noticed an orb of fire
190644 | Zig:22   | Tricky101: WOW 4 AQUIRES
190644 | Zig:22   | Tricky101: YOUR AS GOOD AS ME
190645 | Zig:22   | shadowrider38: TRUE
190645 | Zig:22   | Tricky101: STILL DIED THAT RUN
190648 | Zig:22   | Killed an orb of fire
190648 | Zig:22   | Killed an orb of fire
190648 | Zig:22   | Killed an orb of fire
190648 | Zig:22   | Killed an orb of fire
190649 | Zig:22   | Killed an orb of fire
190649 | Zig:22   | Killed an orb of fire
190649 | Zig:22   | Killed an orb of fire
190649 | Zig:22   | Killed an orb of fire
190649 | Zig:22   | Killed an orb of fire
190649 | Zig:22   | Killed an orb of fire
190649 | Zig:22   | Killed an orb of fire
190650 | Zig:22   | Noticed an orb of fire
190650 | Zig:22   | Killed an orb of fire
190650 | Zig:22   | Killed an orb of fire
190651 | Zig:22   | Killed an orb of fire
190651 | Zig:22   | Killed an orb of fire
190651 | Zig:22   | Killed an orb of fire
190651 | Zig:22   | Killed an orb of fire
190652 | Zig:22   | Killed an orb of fire
190653 | Zig:22   | Noticed an orb of fire
190653 | Zig:22   | Killed an orb of fire
190653 | Zig:22   | Killed an orb of fire
190653 | Zig:22   | Noticed an orb of fire
190655 | Zig:22   | Noticed an orb of fire
190655 | Zig:22   | Noticed an orb of fire
190656 | Zig:22   | Tricky101: cause im a good player
190656 | Zig:22   | Noticed an orb of fire
190657 | Zig:22   | Killed an orb of fire
190658 | Zig:22   | Noticed an orb of fire
190659 | Zig:22   | Noticed an orb of fire
190659 | Zig:22   | Noticed an orb of fire
190660 | Zig:22   | Killed an orb of fire
190660 | Zig:22   | Killed an orb of fire
190660 | Zig:22   | Killed an orb of fire
190660 | Zig:22   | Noticed an orb of fire
190661 | Zig:22   | Noticed an orb of fire
190662 | Zig:22   | Noticed an orb of fire
190662 | Zig:22   | Noticed an orb of fire
190662 | Zig:22   | Noticed an orb of fire
190662 | Zig:22   | Noticed an orb of fire
190663 | Zig:22   | Noticed an orb of fire
190663 | Zig:22   | Killed an orb of fire
190663 | Zig:22   | Noticed an orb of fire
190664 | Zig:22   | Killed an orb of fire
190664 | Zig:22   | Killed an orb of fire
190664 | Zig:22   | Killed an orb of fire
190664 | Zig:22   | Killed an orb of fire
190664 | Zig:22   | Killed an orb of fire
190664 | Zig:22   | Killed an orb of fire
190665 | Zig:22   | Killed an orb of fire
190665 | Zig:22   | Killed an orb of fire
190665 | Zig:22   | Killed an orb of fire
190665 | Zig:22   | Noticed an orb of fire
190665 | Zig:22   | Noticed an orb of fire
190665 | Zig:22   | Noticed an orb of fire
190665 | Zig:22   | Noticed an orb of fire
190665 | Zig:22   | Noticed an orb of fire
190666 | Zig:22   | Killed an orb of fire
190666 | Zig:22   | Killed an orb of fire
190666 | Zig:22   | Noticed an orb of fire
190666 | Zig:22   | Noticed an orb of fire
190667 | Zig:22   | Noticed an orb of fire
190670 | Zig:22   | Noticed an orb of fire
190671 | Zig:22   | Killed an orb of fire
190671 | Zig:22   | Noticed an orb of fire
190672 | Zig:22   | Killed an orb of fire
190672 | Zig:22   | Killed an orb of fire
190672 | Zig:22   | Killed an orb of fire
190677 | Zig:22   | Killed an orb of fire
190678 | Zig:22   | Noticed an orb of fire
190678 | Zig:22   | Killed an orb of fire
190679 | Zig:22   | Noticed an orb of fire
190679 | Zig:22   | Noticed an orb of fire
190679 | Zig:22   | Killed an orb of fire
190679 | Zig:22   | Killed an orb of fire
190679 | Zig:22   | Killed an orb of fire
190681 | Zig:22   | Killed an orb of fire
190682 | Zig:22   | Killed an orb of fire
190682 | Zig:22   | Killed an orb of fire
190683 | Zig:22   | Noticed an orb of fire
190683 | Zig:22   | Noticed an orb of fire
190683 | Zig:22   | Killed an orb of fire
190683 | Zig:22   | Killed an orb of fire
190685 | Zig:22   | Killed an orb of fire
190687 | Zig:22   | Noticed an orb of fire
190688 | Zig:22   | Noticed an orb of fire
190689 | Zig:22   | Killed an orb of fire
190691 | Zig:22   | Noticed an orb of fire
190693 | Zig:22   | Killed an orb of fire
190694 | Zig:22   | Killed an orb of fire
190694 | Zig:22   | Killed an orb of fire
190704 | Zig:22   | shadowrider38: phew
190704 | Zig:22   | shadowrider38: that was not as bad as i thought
191074 | Zig:22   | Identified the ring of Exhibitionism {Ice +Blink rN++ Will-
                  | rCorr}
191075 | Zig:22   | Valagong: i dont look forward to seeing another fire floor
191082 | Zig:22   | Identified the +6 war axe "Pooshac" {freeze, rF++ Dex+3}
191090 | Zig:22   | Identified the +3 robe of Evolution {rPois rF- Str-3 Dex+4}
191098 | Zig:22   | Identified the staff of poison "Nueghaixt" {rPois rF+}
191102 | Zig:22   | Identified the +0 great mace of Discord {flame, rElec}
191105 | Zig:22   | Identified the +3 cloak of Disappointment {+Blink rF+ rC-
                  | rCorr}
191106 | Zig:22   | Identified the +6 falchion "Burushruan" {protect, Str+8
                  | Dex-4}
191114 | Zig:22   | Identified the +4 hand axe "Imp's Undoing" {heavy, rCorr
                  | Int+4 Dex+3}
191115 | Zig:22   | Identified the +7 quarterstaff "Seogh" {flame, rPois}
191117 | Zig:22   | Identified the ring "Coluluz" {rPois rCorr Dex+3}
191153 | Zig:22   | Identified the +0 chain mail of the Clam {rF++ Will- Regen+
                  | SInv}
191171 | Zig:22   | shadowrider38: it seems like youd be prepared for them by
                  | the time they show up tho
191171 | Zig:22   | shadowrider38: given how rare they feel
191178 | Zig:23   | Entered Level 23 of a ziggurat
191180 | Zig:23   | Noticed an ancient lich
191180 | Zig:23   | Noticed a dread lich
191180 | Zig:23   | Noticed a dread lich
191180 | Zig:23   | Noticed an ancient lich
191180 | Zig:23   | Noticed an ancient lich
191180 | Zig:23   | Noticed an ancient lich
191180 | Zig:23   | Noticed an ancient lich
191181 | Zig:23   | Noticed a dread lich
191181 | Zig:23   | Noticed an ancient lich
191181 | Zig:23   | Noticed an ancient lich
191182 | Zig:23   | Noticed a dread lich
191182 | Zig:23   | Killed an ancient lich
191183 | Zig:23   | Noticed an ancient lich
191183 | Zig:23   | Noticed a dread lich
191184 | Zig:23   | Noticed an ancient lich
191184 | Zig:23   | Noticed a dread lich
191184 | Zig:23   | Noticed a dread lich
191186 | Zig:23   | Noticed an ancient lich
191186 | Zig:23   | Noticed an ancient lich
191186 | Zig:23   | Noticed a dread lich
191186 | Zig:23   | Noticed a dread lich
191186 | Zig:23   | Killed a dread lich
191187 | Zig:23   | Noticed an ancient lich
191187 | Zig:23   | Noticed a dread lich
191187 | Zig:23   | Noticed a dread lich
191187 | Zig:23   | Noticed an ancient lich
191187 | Zig:23   | Killed a dread lich
191187 | Zig:23   | Killed an ancient lich
191187 | Zig:23   | Killed a dread lich
191188 | Zig:23   | Killed an ancient lich
191188 | Zig:23   | Killed an ancient lich
191189 | Zig:23   | Killed a dread lich
191189 | Zig:23   | Killed an ancient lich
191189 | Zig:23   | Killed an ancient lich
191189 | Zig:23   | Killed a dread lich
191189 | Zig:23   | Killed a dread lich
191189 | Zig:23   | Killed an ancient lich
191189 | Zig:23   | Killed an ancient lich
191189 | Zig:23   | Killed a dread lich
191189 | Zig:23   | Killed a dread lich
191189 | Zig:23   | Killed an ancient lich
191189 | Zig:23   | Killed an ancient lich
191189 | Zig:23   | Killed an ancient lich
191190 | Zig:23   | Killed an ancient lich
191190 | Zig:23   | Killed a dread lich
191191 | Zig:23   | Noticed a dread lich
191191 | Zig:23   | Noticed an ancient lich
191191 | Zig:23   | Noticed an ancient lich
191191 | Zig:23   | Killed a dread lich
191192 | Zig:23   | Noticed an ancient lich
191192 | Zig:23   | Noticed an ancient lich
191193 | Zig:23   | Noticed an ancient lich
191193 | Zig:23   | Noticed a dread lich
191193 | Zig:23   | Noticed a dread lich
191195 | Zig:23   | Noticed a dread lich
191195 | Zig:23   | Killed an ancient lich
191195 | Zig:23   | Killed an ancient lich
191195 | Zig:23   | Killed an ancient lich
191195 | Zig:23   | Killed a dread lich
191195 | Zig:23   | Killed an ancient lich
191195 | Zig:23   | Killed a dread lich
191195 | Zig:23   | Killed a dread lich
191196 | Zig:23   | Killed an ancient lich
191196 | Zig:23   | Killed a dread lich
191196 | Zig:23   | Killed an ancient lich
191196 | Zig:23   | Killed a dread lich
191319 | Zig:23   | Identified the +12 flail of Facoak {antimagic, rElec Will+
                  | rCorr}
191323 | Zig:23   | Identified the staff of poison "Takalena" {rPois rF+ rC+
                  | rN+}
191339 | Zig:23   | Identified the +2 broad axe "Backscratcher" {antimagic,
                  | *Slow Dex+3 SInv}
191352 | Zig:23   | Identified the +8 war axe of Mourning {protect, rElec}
191364 | Zig:23   | Identified the staff of earth "Kucer" {rF+}
191721 | Zig:24   | Entered Level 24 of a ziggurat
191721 | Zig:24   | Noticed a dread lich
191723 | Zig:24   | Noticed a dread lich
191724 | Zig:24   | Noticed a dread lich
191724 | Zig:24   | Noticed a dread lich
191725 | Zig:24   | Noticed a dread lich
191725 | Zig:24   | Killed a dread lich
191725 | Zig:24   | Killed a dread lich
191726 | Zig:24   | Noticed a dread lich
191726 | Zig:24   | Noticed a dread lich
191726 | Zig:24   | Noticed a dread lich
191726 | Zig:24   | Noticed a dread lich
191727 | Zig:24   | Killed a dread lich
191727 | Zig:24   | Killed a dread lich
191727 | Zig:24   | Killed a dread lich
191727 | Zig:24   | Killed a dread lich
191727 | Zig:24   | Killed a dread lich
191727 | Zig:24   | Noticed an ancient lich
191728 | Zig:24   | Noticed an ancient lich
191729 | Zig:24   | Noticed a dread lich
191732 | Zig:24   | Noticed a dread lich
191732 | Zig:24   | Noticed an ancient lich
191733 | Zig:24   | Killed a dread lich
191733 | Zig:24   | Killed a dread lich
191733 | Zig:24   | Killed an ancient lich
191733 | Zig:24   | Killed a dread lich
191733 | Zig:24   | Noticed a dread lich
191734 | Zig:24   | Killed an ancient lich
191734 | Zig:24   | Killed a dread lich
191734 | Zig:24   | Killed an ancient lich
191734 | Zig:24   | Killed a dread lich
191734 | Zig:24   | Noticed a dread lich
191735 | Zig:24   | Noticed an ancient lich
191735 | Zig:24   | Noticed an ancient lich
191737 | Zig:24   | Noticed an ancient lich
191740 | Zig:24   | Noticed a dread lich
191742 | Zig:24   | Killed a dread lich
191742 | Zig:24   | Killed an ancient lich
191742 | Zig:24   | Killed an ancient lich
191742 | Zig:24   | Killed an ancient lich
191742 | Zig:24   | Killed a dread lich
191749 | Zig:24   | Identified the +7 long sword of Kimiamp {holy, rPois}
192016 | Zig:24   | Identified the staff of air "Pedey" {rElec rN+ rCorr}
192178 | Zig:24   | Identified the +0 chain mail of the Barber Surgeon {rC+ rN+
                  | Stlth+}
192186 | Zig:24   | Identified the +5 long sword of Midsummer {flame, Fly rPois
                  | Str+2}
192213 | Zig:24   | Identified the staff of fire "Jufuvaiff" {rF+ Int+3 Dex+2}
192218 | Zig:24   | Identified the +0 plate armour of Ceoll {rC++ Str+4 Slay-2
                  | Stlth+}
192223 | Zig:24   | Identified the staff of air "Tomuet" {rElec Dex+3}
192233 | Zig:24   | Identified the +6 glaive of the Enemy {pain, rElec rN++}
192309 | Zig:24   | Acquired 492 gold pieces
192311 | Zig:24   | Acquired 1064 gold pieces
192312 | Zig:24   | Valagong: am done eating, gnightg
192312 | Zig:24   | Acquired 769 gold pieces
192313 | Zig:24   | Valagong: gl in ur ziggs
192313 | Zig:24   | shadowrider38: thanks
192313 | Zig:24   | shadowrider38: you too!
192313 | Zig:24   | Valagong: tyty
192313 | Zig:24   | Acquired 602 gold pieces
192321 | Zig:25   | Entered Level 25 of a ziggurat
192664 | Zig:25   | Identified the +0 scale mail "Arghats" {rN+}
192670 | Zig:25   | Identified the +1 pair of boots of Esoil {rPois Str-4
                  | Dex+9}
192677 | Zig:25   | Identified the +5 chain mail of Inevitability {+Inv Will-
                  | Int+6}
192684 | Zig:25   | Identified the +6 scale mail "Xehaaj" {*Corrode Will++
                  | Str-5 Dex+2}
192698 | Zig:25   | Identified the staff of fire "Siushre" {Fly rPois rF+ rC+
                  | Dex-4}
192702 | Zig:25   | Identified the +0 leather armour of the Robin {rPois MP-9
                  | Int+5 SInv}
192704 | Zig:25   | Identified the amulet "Kuusalal" {Acrobat Int+5}
193071 | Zig:26   | Entered Level 26 of a ziggurat
193677 | Zig:26   | Identified the ring "Puwnistra" {rPois rC+ rCorr Str+2}
193717 | Zig:26   | Identified the +1 short sword "Omelette" {freeze, Contam
                  | rElec Str+6 SInv}
193719 | Zig:26   | Identified the staff of earth "Cafooc" {rElec rPois Str-2
                  | SInv}
193723 | Zig:26   | Identified the +5 whip of Inquiry {heavy, rElec}
193731 | Zig:26   | Identified the +2 leather armour of Summertime {rPois
                  | Int+3}
193756 | Zig:26   | Identified the +6 trident "Fuerim" {flame, *Noise +Blink
                  | rN++ Int+4}
193831 | Zig:27   | Entered Level 27 of a ziggurat
193831 | Zig:27   | Noticed a royal mummy
193831 | Zig:27   | Noticed a royal mummy
193831 | Zig:27   | Noticed a royal mummy
193831 | Zig:27   | Noticed a royal mummy
193831 | Zig:27   | Noticed a royal mummy
193831 | Zig:27   | Noticed a royal mummy
193831 | Zig:27   | Noticed a royal mummy
193831 | Zig:27   | Noticed a royal mummy
193831 | Zig:27   | Noticed a royal mummy
193831 | Zig:27   | Noticed a royal mummy
193831 | Zig:27   | Noticed a royal mummy
193831 | Zig:27   | Noticed a royal mummy
193831 | Zig:27   | Noticed a royal mummy
193831 | Zig:27   | Noticed a royal mummy
193831 | Zig:27   | Noticed a royal mummy
193831 | Zig:27   | Noticed a royal mummy
193832 | Zig:27   | Killed a royal mummy
193832 | Zig:27   | Killed a royal mummy
193832 | Zig:27   | Killed a royal mummy
193832 | Zig:27   | Killed a royal mummy
193832 | Zig:27   | Killed a royal mummy
193832 | Zig:27   | Killed a royal mummy
193832 | Zig:27   | Killed a royal mummy
193832 | Zig:27   | Killed a royal mummy
193832 | Zig:27   | Killed a royal mummy
193832 | Zig:27   | Killed a royal mummy
193832 | Zig:27   | Killed a royal mummy
193832 | Zig:27   | Killed a royal mummy
193832 | Zig:27   | Killed a royal mummy
193832 | Zig:27   | Killed a royal mummy
193834 | Zig:27   | Noticed a royal mummy
193834 | Zig:27   | Noticed a royal mummy
193834 | Zig:27   | Noticed a royal mummy
193834 | Zig:27   | Noticed a royal mummy
193836 | Zig:27   | Noticed a royal mummy
193836 | Zig:27   | Noticed a royal mummy
193836 | Zig:27   | Noticed a royal mummy
193836 | Zig:27   | Killed a royal mummy
193836 | Zig:27   | Noticed a royal mummy
193836 | Zig:27   | Noticed a royal mummy
193836 | Zig:27   | Noticed a royal mummy
193837 | Zig:27   | Killed a royal mummy
193838 | Zig:27   | Noticed a royal mummy
193838 | Zig:27   | Noticed a royal mummy
193838 | Zig:27   | Noticed a royal mummy
193838 | Zig:27   | Noticed a royal mummy
193838 | Zig:27   | Noticed a royal mummy
193838 | Zig:27   | Noticed a royal mummy
193838 | Zig:27   | Noticed a royal mummy
193839 | Zig:27   | Noticed a royal mummy
193839 | Zig:27   | Noticed a royal mummy
193840 | Zig:27   | Noticed a royal mummy
193840 | Zig:27   | Noticed a royal mummy
193841 | Zig:27   | Killed a royal mummy
193841 | Zig:27   | Killed a royal mummy
193841 | Zig:27   | Killed a royal mummy
193841 | Zig:27   | Killed a royal mummy
193841 | Zig:27   | Killed a royal mummy
193841 | Zig:27   | Killed a royal mummy
193841 | Zig:27   | Killed a royal mummy
193841 | Zig:27   | Killed a royal mummy
193841 | Zig:27   | Killed a royal mummy
193841 | Zig:27   | Killed a royal mummy
193841 | Zig:27   | Killed a royal mummy
193841 | Zig:27   | Killed a royal mummy
193841 | Zig:27   | Killed a royal mummy
193841 | Zig:27   | Killed a royal mummy
193841 | Zig:27   | Killed a royal mummy
193841 | Zig:27   | Killed a royal mummy
193841 | Zig:27   | Killed a royal mummy
193841 | Zig:27   | Noticed a royal mummy
193842 | Zig:27   | Noticed a royal mummy
193842 | Zig:27   | Noticed a royal mummy
193842 | Zig:27   | Noticed a royal mummy
193843 | Zig:27   | Noticed a royal mummy
193843 | Zig:27   | Noticed a royal mummy
193844 | Zig:27   | Noticed a royal mummy
193844 | Zig:27   | Noticed a royal mummy
193844 | Zig:27   | Killed a royal mummy
193844 | Zig:27   | Killed a royal mummy
193844 | Zig:27   | Noticed a royal mummy
193844 | Zig:27   | Noticed a royal mummy
193844 | Zig:27   | Noticed a royal mummy
193844 | Zig:27   | Noticed a royal mummy
193845 | Zig:27   | Killed a royal mummy
193845 | Zig:27   | Noticed a royal mummy
193846 | Zig:27   | Noticed a royal mummy
193846 | Zig:27   | Killed a royal mummy
193846 | Zig:27   | Noticed a royal mummy
193846 | Zig:27   | Noticed a royal mummy
193847 | Zig:27   | Noticed a royal mummy
193847 | Zig:27   | Noticed a royal mummy
193847 | Zig:27   | Noticed a royal mummy
193849 | Zig:27   | Killed a royal mummy
193849 | Zig:27   | Killed a royal mummy
193849 | Zig:27   | Killed a royal mummy
193849 | Zig:27   | Killed a royal mummy
193849 | Zig:27   | Killed a royal mummy
193849 | Zig:27   | Killed a royal mummy
193849 | Zig:27   | Killed a royal mummy
193849 | Zig:27   | Killed a royal mummy
193849 | Zig:27   | Killed a royal mummy
193849 | Zig:27   | Killed a royal mummy
193849 | Zig:27   | Killed a royal mummy
193849 | Zig:27   | Killed a royal mummy
193849 | Zig:27   | Killed a royal mummy
193849 | Zig:27   | Killed a royal mummy
193849 | Zig:27   | Killed a royal mummy
193849 | Zig:27   | Killed a royal mummy
193849 | Zig:27   | Killed a royal mummy
193849 | Zig:27   | Killed a royal mummy
193849 | Zig:27   | Noticed a royal mummy
193850 | Zig:27   | Noticed a royal mummy
193851 | Zig:27   | Noticed a royal mummy
193852 | Zig:27   | Noticed a royal mummy
193852 | Zig:27   | Noticed a royal mummy
193852 | Zig:27   | Noticed a royal mummy
193853 | Zig:27   | Noticed a royal mummy
193853 | Zig:27   | Noticed a royal mummy
193855 | Zig:27   | Noticed a royal mummy
193855 | Zig:27   | Noticed a royal mummy
193855 | Zig:27   | Noticed a royal mummy
193856 | Zig:27   | Killed a royal mummy
193856 | Zig:27   | Killed a royal mummy
193858 | Zig:27   | Killed a royal mummy
193858 | Zig:27   | Killed a royal mummy
193858 | Zig:27   | Killed a royal mummy
193859 | Zig:27   | Noticed a royal mummy
193859 | Zig:27   | Killed a royal mummy
193859 | Zig:27   | Killed a royal mummy
193859 | Zig:27   | Killed a royal mummy
193859 | Zig:27   | Killed a royal mummy
193860 | Zig:27   | Killed a royal mummy
193860 | Zig:27   | Killed a royal mummy
193860 | Zig:27   | Killed a royal mummy
193866 | Zig:27   | Killed a royal mummy
193930 | Zig:27   | Found the +2 hat of the Bear Spirit {Spirit, Bear, *Rage
                  | Will++}
193938 | Zig:27   | Identified the +1 chain mail of Daisies {+Blink Regen+}
193949 | Zig:27   | Identified the +3 robe of Joocser {rPois rF- Int+3}
193952 | Zig:27   | Identified the +3 chain mail "Tuycepoff" {MP+9}
193964 | Zig:27   | Identified the +3 mace of Disarray {spect, rC+ Dex+3}
193965 | Zig:27   | Identified the ring of Ajameoh {rC+ EV+5}
193979 | Zig:27   | Identified the amulet of Mufaki {Spirit rF+ Stlth+}
193988 | Zig:27   | Acquired 954 gold pieces
194523 | Zig:1    | Entered Level 1 of a ziggurat
194628 | Zig:2    | Entered Level 2 of a ziggurat
194628 | Zig:2    | Noticed a juggernaut
194630 | Zig:2    | Killed a juggernaut
194799 | Zig:3    | Entered Level 3 of a ziggurat
194927 | Zig:4    | Entered Level 4 of a ziggurat
194927 | Zig:4    | Noticed an ancient lich
194927 | Zig:4    | Noticed a dread lich
194927 | Zig:4    | Noticed a dread lich
194927 | Zig:4    | Noticed a dread lich
194927 | Zig:4    | Noticed a dread lich
194927 | Zig:4    | Noticed a dread lich
194928 | Zig:4    | Noticed a dread lich
194929 | Zig:4    | Noticed a dread lich
194929 | Zig:4    | Killed an ancient lich
194931 | Zig:4    | Killed a dread lich
194931 | Zig:4    | Killed a dread lich
194931 | Zig:4    | Killed a dread lich
194933 | Zig:4    | Killed a dread lich
194934 | Zig:4    | Killed a dread lich
194934 | Zig:4    | Killed a dread lich
194935 | Zig:4    | Killed a dread lich
195080 | Zig:5    | Entered Level 5 of a ziggurat
195081 | Zig:5    | Paralysed by an air elemental for 1 turns
195084 | Zig:5    | Paralysed by an air elemental for 1 turns
195188 | Zig:5    | Identified the +10 long sword "Puveoth" {heavy, +Blink
                  | rElec rCorr Dex+4}
195300 | Zig:6    | Entered Level 6 of a ziggurat
195305 | Zig:6    | Noticed Seshyebe the pandemonium lord
195312 | Zig:6    | Killed Seshyebe the pandemonium lord
195586 | Zig:6    | Identified the +1 leather armour "Asiukhl Sump" {rC- Dex+6}
195597 | Zig:6    | Identified the ring "Hahez" {Fly rElec SInv Stlth-}
195629 | Zig:7    | Entered Level 7 of a ziggurat
195632 | Zig:7    | Noticed a dread lich
195632 | Zig:7    | Noticed an ancient lich
195632 | Zig:7    | Noticed an ancient lich
195633 | Zig:7    | Killed a dread lich
195633 | Zig:7    | Noticed a dread lich
195636 | Zig:7    | Noticed an ancient lich
195636 | Zig:7    | Noticed a dread lich
195636 | Zig:7    | Noticed a dread lich
195636 | Zig:7    | Noticed an ancient lich
195637 | Zig:7    | Killed an ancient lich
195638 | Zig:7    | Killed an ancient lich
195639 | Zig:7    | Killed a dread lich
195639 | Zig:7    | Killed a dread lich
195639 | Zig:7    | Killed an ancient lich
195639 | Zig:7    | Killed a dread lich
195639 | Zig:7    | Killed an ancient lich
195786 | Zig:7    | Identified the +2 chain mail of Zoeten {rN+ Slay+2}
195874 | Zig:8    | Entered Level 8 of a ziggurat
195900 | Zig:8    | Identified the staff of poison "Paabbat" {rElec rPois}
196113 | Zig:8    | Identified the +3 robe "Irrine" {Int+2}
196119 | Zig:8    | Identified the +3 rapier "Zassat" {flame, Str+5 Int-4}
196148 | Zig:8    | Identified the +6 leather armour of Love and Death {Dex+3}
196153 | Zig:8    | Identified the +0 scale mail of Hamuirgh {Contam rN++
                  | Dex+2}
196160 | Zig:8    | Identified the +1 hand axe "Etrisuc" {speed, rF- Str+5
                  | Int+6}
196222 | Zig:9    | Entered Level 9 of a ziggurat
196225 | Zig:9    | Noticed a dread lich
196226 | Zig:9    | Noticed an ancient lich
196226 | Zig:9    | Noticed an ancient lich
196226 | Zig:9    | Noticed an ancient lich
196228 | Zig:9    | Killed a dread lich
196228 | Zig:9    | Killed an ancient lich
196228 | Zig:9    | Killed an ancient lich
196230 | Zig:9    | Noticed a dread lich
196230 | Zig:9    | Noticed a dread lich
196230 | Zig:9    | Noticed a dread lich
196231 | Zig:9    | Noticed a dread lich
196232 | Zig:9    | Killed an ancient lich
196233 | Zig:9    | Killed a dread lich
196236 | Zig:9    | Killed a dread lich
196236 | Zig:9    | Killed a dread lich
196244 | Zig:9    | Killed a dread lich
196361 | Zig:9    | Identified the staff of earth "Ofat" {+Blink rC- Dex+3}
196363 | Zig:9    | Identified the +11 war axe of Dismay {flame, rPois rF+}
196367 | Zig:9    | Identified the +7 hand axe of Noyd {heavy, rPois Str+2}
196368 | Zig:9    | Identified the ring of Waothoyph {Ice rPois Will+}
196371 | Zig:9    | Identified the amulet "Axobb" {Reflect rC+ MP+9 Int+3 SH+5
                  | Stlth+}
196385 | Zig:9    | Identified the +5 sling of Disharmony {elec, rElec rC-
                  | Int-4 Dex+6}
196523 | Zig:10   | Entered Level 10 of a ziggurat
196527 | Zig:10   | Paralysed by an air elemental for 1 turns
196532 | Zig:10   | Paralysed by an air elemental for 1 turns
196897 | Zig:10   | Identified the staff of poison "Pyac" {Drain rPois rN+
                  | rCorr Stlth+}
196898 | Zig:10   | Identified the +8 glaive "Ewaeclin" {heavy, rElec Str+3}
196918 | Zig:11   | Entered Level 11 of a ziggurat
196953 | Zig:11   | Found the sphere of Battle
197228 | Zig:11   | Identified the +7 war axe "Demonspawn's Death" {pain,
                  | Will++ Dex+3}
197233 | Zig:11   | Identified the +10 bardiche of the Desolation of Salt
                  | {spect, rF+ Will- Int+3 Stlth+}
197238 | Zig:11   | Identified the +9 glaive "Genesewe" {elec, rElec rC+}
197242 | Zig:11   | Identified the +10 broad axe of the Silent Majority
                  | {freeze, rF+}
197243 | Zig:11   | Identified the +4 leather armour of the Eagle {*Slow Str+4
                  | Dex+2}
197265 | Zig:11   | Identified the ring of Xom's Vengeance {Wiz Int+4}
197266 | Zig:11   | Identified the +6 whip of Imbalance {elec, Dex+4}
197267 | Zig:11   | Identified the +4 scimitar of Harmony {flame, rPois Int+3}
197317 | Zig:12   | Entered Level 12 of a ziggurat
197668 | Zig:12   | Identified the +1 falchion of the Ecumenical Temple
                  | {antimagic, Int+2}
197671 | Zig:12   | Identified the ring "Ukea" {Fire rN+ Str+2 Int-5}
197676 | Zig:12   | Identified the staff of cold "Dosastrut" {Fragile rElec rC+
                  | Will+++ MP-9}
197690 | Zig:13   | Entered Level 13 of a ziggurat
197705 | Zig:13   | Paralysed by accursed screaming for 1 turns
197828 | Zig:13   | Identified the +7 rapier of Distraction {antimagic, rCorr
                  | Str+2 Stlth+}
197849 | Zig:13   | Identified the staff of poison "Zeudiux" {rElec rPois rF+
                  | Will- Int+3}
197851 | Zig:13   | Identified the staff of fire "Esezuawk" {rF+ Dex+2}
197858 | Zig:13   | Identified the +2 sling "Juxuimneek" {elec, rF- Will- rCorr
                  | Int+7}
197866 | Zig:13   | Identified the staff of conjuration "Ubbi" {Int+2 Dex+2
                  | Stlth+}
197872 | Zig:13   | Identified the +4 flail of Xeam {heavy, Str+5 Dex+2}
198000 | Zig:13   | Identified the +1 shortbow "Undertaker" {antimagic, rPois
                  | Str+3}
198186 | Zig:14   | Entered Level 14 of a ziggurat
198279 | Zig:14   | Gained mutation: Your body sometimes deteriorates upon
                  | taking damage. [a neqoxec]
198691 | Zig:14   | Identified the +3 flail "Widowermaker" {spect, *Slow rN+
                  | Str+4}
198695 | Zig:14   | Identified the +3 great sword "Xoyloat" {vamp, rPois Str+3}
198697 | Zig:14   | Identified the ring "Saezean" {Fly AC+4 Str+2 Int+4 Dex-5}
198714 | Zig:14   | Identified the +1 robe of Sunlight {rC- Str+3 Dex+2}
198715 | Zig:14   | Identified the staff of death "Leanad" {Fragile rF+ rN+
                  | Str+2}
198720 | Zig:14   | Acquired 849 gold pieces
198817 | Zig:14   | Lost mutation: Your mind is acute. (Int +4, Str/Dex -1)
                  | [potion of mutation]
198817 | Zig:14   | Lost mutation: Your flesh is cold resistant. (rC+) [potion
                  | of mutation]
198817 | Zig:14   | Lost mutation: Your body sometimes deteriorates upon taking
                  | damage. [potion of mutation]
198817 | Zig:14   | Gained mutation: Your flesh is heat resistant. (rF+)
                  | [potion of mutation]
198817 | Zig:14   | Gained mutation: You are strong-willed. (Will+) [potion of
                  | mutation]
198817 | Zig:14   | Gained mutation: You have a pair of small antennae on your
                  | head. [potion of mutation]
198818 | Zig:14   | Lost mutation: Your flesh is heat resistant. (rF+) [potion
                  | of mutation]
198818 | Zig:14   | Lost mutation: You are strong-willed. (Will+) [potion of
                  | mutation]
198818 | Zig:14   | Gained mutation: Your natural rate of healing is unusually
                  | fast. [potion of mutation]
198818 | Zig:14   | Gained mutation: Your muscles are strong. (Str +4, Int/Dex
                  | -1) [potion of mutation]
198818 | Zig:14   | Gained mutation: Your flesh is heat resistant. (rF+)
                  | [potion of mutation]
198825 | Zig:15   | Entered Level 15 of a ziggurat
198830 | Zig:15   | Noticed Lyiho the pandemonium lord
198830 | Zig:15   | Noticed Ozef Rerr the pandemonium lord
198830 | Zig:15   | Noticed Hiosecix the pandemonium lord
198830 | Zig:15   | Noticed Xaipsen the pandemonium lord
198830 | Zig:15   | Noticed Kiotu the pandemonium lord
198830 | Zig:15   | Noticed Goujeofu the pandemonium lord
198830 | Zig:15   | Noticed Ylyontan the pandemonium lord
198830 | Zig:15   | Noticed Quily the pandemonium lord
198830 | Zig:15   | Noticed Iczu the pandemonium lord
198830 | Zig:15   | Noticed Tihet the pandemonium lord
198831 | Zig:15   | Noticed Hioggac the pandemonium lord
198831 | Zig:15   | Killed Lyiho the pandemonium lord
198831 | Zig:15   | Killed Quily the pandemonium lord
198831 | Zig:15   | Killed Hioggac the pandemonium lord
198831 | Zig:15   | Noticed Lohiw the pandemonium lord
198831 | Zig:15   | Noticed Tixud the pandemonium lord
198832 | Zig:15   | Killed Ozef Rerr the pandemonium lord
198832 | Zig:15   | Noticed Arghuchu the pandemonium lord
198833 | Zig:15   | Noticed Ezofeu the pandemonium lord
198833 | Zig:15   | Killed Hiosecix the pandemonium lord
198833 | Zig:15   | Killed Ylyontan the pandemonium lord
198833 | Zig:15   | Killed Tihet the pandemonium lord
198833 | Zig:15   | Noticed Pimax the pandemonium lord
198833 | Zig:15   | Noticed Qyinoacerph the pandemonium lord
198834 | Zig:15   | Killed Kiotu the pandemonium lord
198834 | Zig:15   | Noticed Xiefaf the pandemonium lord
198834 | Zig:15   | Noticed Niemitau the pandemonium lord
198834 | Zig:15   | Noticed Jutiat the pandemonium lord
198836 | Zig:15   | Killed Goujeofu the pandemonium lord
198836 | Zig:15   | Killed Ezofeu the pandemonium lord
198837 | Zig:15   | Killed Xaipsen the pandemonium lord
198837 | Zig:15   | Noticed Myniugob the pandemonium lord
198838 | Zig:15   | Killed Pimax the pandemonium lord
198839 | Zig:15   | Killed Xiefaf the pandemonium lord
198839 | Zig:15   | Killed Jutiat the pandemonium lord
198839 | Zig:15   | Killed Qyinoacerph the pandemonium lord
198839 | Zig:15   | Noticed Qauwu Qou the pandemonium lord
198839 | Zig:15   | Noticed Jonn the pandemonium lord
198842 | Zig:15   | Killed Arghuchu the pandemonium lord
198842 | Zig:15   | Killed Iczu the pandemonium lord
198842 | Zig:15   | Killed Niemitau the pandemonium lord
198843 | Zig:15   | Noticed Foxesuts the pandemonium lord
198843 | Zig:15   | Noticed Doxzahojel the pandemonium lord
198843 | Zig:15   | Noticed Erchex the pandemonium lord
198843 | Zig:15   | Noticed Bihiceiv the pandemonium lord
198844 | Zig:15   | Noticed Xacusu the pandemonium lord
198845 | Zig:15   | Killed Jonn the pandemonium lord
198845 | Zig:15   | Killed Myniugob the pandemonium lord
198845 | Zig:15   | Killed Tixud the pandemonium lord
198845 | Zig:15   | Killed Lohiw the pandemonium lord
198847 | Zig:15   | Killed Doxzahojel the pandemonium lord
198847 | Zig:15   | Noticed Aluunne the pandemonium lord
198848 | Zig:15   | Killed Erchex the pandemonium lord
198849 | Zig:15   | Noticed Vehisku the pandemonium lord
198850 | Zig:15   | Noticed Yberghish the pandemonium lord
198852 | Zig:15   | Killed Foxesuts the pandemonium lord
198854 | Zig:15   | Killed Bihiceiv the pandemonium lord
198854 | Zig:15   | Noticed Xawuzong the pandemonium lord
198855 | Zig:15   | Killed Aluunne the pandemonium lord
198855 | Zig:15   | Killed Qauwu Qou the pandemonium lord
198856 | Zig:15   | Noticed Irinlel the pandemonium lord
198857 | Zig:15   | Killed Vehisku the pandemonium lord
198857 | Zig:15   | Killed Yberghish the pandemonium lord
198858 | Zig:15   | Noticed Wuxuq the pandemonium lord
198858 | Zig:15   | Noticed Ustralovu the pandemonium lord
198859 | Zig:15   | Noticed Echiym the pandemonium lord
198860 | Zig:15   | Noticed Woggui the pandemonium lord
198861 | Zig:15   | Noticed Cathreets the pandemonium lord
198862 | Zig:15   | Noticed Duegukh the pandemonium lord
198863 | Zig:15   | Noticed Okke the pandemonium lord
198864 | Zig:15   | Killed Irinlel the pandemonium lord
198864 | Zig:15   | Noticed Nicizog the pandemonium lord
198865 | Zig:15   | Killed Woggui the pandemonium lord
198865 | Zig:15   | Killed Xacusu the pandemonium lord
198865 | Zig:15   | Killed Xawuzong the pandemonium lord
198865 | Zig:15   | Noticed Saistre the pandemonium lord
198866 | Zig:15   | Killed Ustralovu the pandemonium lord
198866 | Zig:15   | Killed Nicizog the pandemonium lord
198866 | Zig:15   | Killed Okke the pandemonium lord
198866 | Zig:15   | Noticed Coleni the pandemonium lord
198866 | Zig:15   | Noticed Woigoong the pandemonium lord
198868 | Zig:15   | Killed Wuxuq the pandemonium lord
198868 | Zig:15   | Killed Duegukh the pandemonium lord
198868 | Zig:15   | Killed Cathreets the pandemonium lord
198868 | Zig:15   | Killed Echiym the pandemonium lord
198869 | Zig:15   | Noticed Dixuach the pandemonium lord
198870 | Zig:15   | Killed Saistre the pandemonium lord
198871 | Zig:15   | Noticed Quoryam the pandemonium lord
198871 | Zig:15   | Noticed Dupamua the pandemonium lord
198872 | Zig:15   | Killed Coleni the pandemonium lord
198877 | Zig:15   | Noticed Tyishya the pandemonium lord
198877 | Zig:15   | Noticed Raobry the pandemonium lord
198878 | Zig:15   | Killed Dixuach the pandemonium lord
198879 | Zig:15   | Killed Dupamua the pandemonium lord
198879 | Zig:15   | Killed Woigoong the pandemonium lord
198880 | Zig:15   | Killed Tyishya the pandemonium lord
198881 | Zig:15   | Killed Quoryam the pandemonium lord
198881 | Zig:15   | Killed Raobry the pandemonium lord
198881 | Zig:15   | Noticed Galiovoyh the pandemonium lord
198881 | Zig:15   | Noticed Ydoshreqo the pandemonium lord
198881 | Zig:15   | Noticed Xagowk the pandemonium lord
198881 | Zig:15   | Noticed Erittyig the pandemonium lord
198886 | Zig:15   | Killed Ydoshreqo the pandemonium lord
198886 | Zig:15   | Killed Xagowk the pandemonium lord
198888 | Zig:15   | Killed Galiovoyh the pandemonium lord
198888 | Zig:15   | Killed Erittyig the pandemonium lord
198891 | Zig:15   | Noticed Kipehicig the pandemonium lord
198891 | Zig:15   | Noticed Nyitromn the pandemonium lord
198894 | Zig:15   | Noticed Ycadumur the pandemonium lord
198894 | Zig:15   | Killed Kipehicig the pandemonium lord
198895 | Zig:15   | Killed Nyitromn the pandemonium lord
198895 | Zig:15   | Noticed Tosaxut the pandemonium lord
198896 | Zig:15   | Noticed Lun Zodd the pandemonium lord
198897 | Zig:15   | Noticed Qoper the pandemonium lord
198898 | Zig:15   | Killed Ycadumur the pandemonium lord
198902 | Zig:15   | Killed Tosaxut the pandemonium lord
198902 | Zig:15   | Killed Lun Zodd the pandemonium lord
198903 | Zig:15   | Killed Qoper the pandemonium lord
199244 | Zig:15   | Identified the +5 sling "Ales" {elec, rC+ Str+4 Int+3}
199265 | Zig:15   | Identified the +11 shortbow of Psychosis {heavy, rC+ Str+3}
199284 | Zig:16   | Entered Level 16 of a ziggurat
199290 | Zig:16   | Noticed a dread lich
199291 | Zig:16   | Killed a dread lich
199689 | Zig:16   | Identified the +5 scimitar of the Rescuing Gods {flame,
                  | +Blink rN+ Dex+3 Stlth+}
199739 | Zig:16   | Identified the +5 battleaxe of Abuse {venom, Fly rN+++
                  | Will+ Str-3}
199773 | Zig:17   | Entered Level 17 of a ziggurat
199965 | Zig:17   | Identified the ring of Cyorutar {Will+ Dex+6}
199973 | Zig:17   | Identified the +1 short sword of Eruall {flame, +Blink
                  | rPois}
199981 | Zig:17   | Identified the staff of fire "Estroenn" {rF+ Str+3 Int-3
                  | Dex+3}
199991 | Zig:17   | Identified the +4 whip "Transmigrator" {flame, Int+3 Dex+3}
199993 | Zig:17   | Identified the amulet of Fedhas's Inspiration {Spirit rC+}
199998 | Zig:17   | Identified the +2 hand crossbow "Olaib" {speed, rC++ Dex+3}
200009 | Zig:17   | Identified the +1 pair of gloves of Agoraphobia {Drain
                  | *Slow +Blink rN+++}
200011 | Zig:17   | Identified the staff of conjuration "Lyaces" {rF+}
200017 | Zig:17   | Identified the staff of death "Hucaaghi" {rPois rF- rC+++
                  | rN+}
200036 | Zig:17   | Identified the staff of earth "Ahygge" {rC+ rCorr}
200316 | Zig:18   | Entered Level 18 of a ziggurat
200321 | Zig:18   | Paralysed by a floating eye for 4 turns
200535 | Zig:18   | Identified the +7 dagger "Eggyaf" {drain, rElec Int+2}
200785 | Zig:18   | Identified the +4 short sword of Xacw {distort, Dex+3}
200797 | Zig:18   | Identified the staff of cold "Bierum" {rElec rC+ Will+
                  | Int+6}
200802 | Zig:18   | Identified the ring of Happiness {rPois Will+ Dex+6}
200815 | Zig:18   | Identified the +8 scale mail of Greed {rCorr Str-4 Dex+2
                  | SInv}
200830 | Zig:18   | Identified the +1 falchion of Gurob {venom, Str+4}
200901 | Zig:19   | Entered Level 19 of a ziggurat
200904 | Zig:19   | Noticed a dread lich
200905 | Zig:19   | Noticed an ancient lich
200905 | Zig:19   | Noticed an ancient lich
200906 | Zig:19   | Noticed a dread lich
200906 | Zig:19   | Noticed a dread lich
200907 | Zig:19   | Noticed an ancient lich
200908 | Zig:19   | Killed a dread lich
200909 | Zig:19   | Noticed a dread lich
200910 | Zig:19   | Noticed an ancient lich
200910 | Zig:19   | Killed an ancient lich
200910 | Zig:19   | Killed an ancient lich
200910 | Zig:19   | Killed a dread lich
200910 | Zig:19   | Killed a dread lich
200910 | Zig:19   | Killed an ancient lich
200910 | Zig:19   | Killed a dread lich
200911 | Zig:19   | Noticed a dread lich
200912 | Zig:19   | Noticed a dread lich
200912 | Zig:19   | Noticed a dread lich
200913 | Zig:19   | Noticed a dread lich
200913 | Zig:19   | Noticed a dread lich
200914 | Zig:19   | Noticed a dread lich
200915 | Zig:19   | Noticed a dread lich
200916 | Zig:19   | Killed a dread lich
200916 | Zig:19   | Killed a dread lich
200916 | Zig:19   | Killed a dread lich
200916 | Zig:19   | Killed a dread lich
200916 | Zig:19   | Killed a dread lich
200916 | Zig:19   | Killed a dread lich
200918 | Zig:19   | Noticed a dread lich
200918 | Zig:19   | Noticed a dread lich
200919 | Zig:19   | Noticed an ancient lich
200919 | Zig:19   | Noticed a dread lich
200919 | Zig:19   | Noticed an ancient lich
200920 | Zig:19   | Noticed a dread lich
200922 | Zig:19   | Killed a dread lich
200922 | Zig:19   | Killed an ancient lich
200922 | Zig:19   | Killed a dread lich
200924 | Zig:19   | Killed an ancient lich
200924 | Zig:19   | Killed a dread lich
200924 | Zig:19   | Killed a dread lich
200924 | Zig:19   | Killed a dread lich
201071 | Zig:19   | Identified the +0 great mace "Keekext" {flame, rF+ rCorr
                  | Str+4}
201084 | Zig:19   | Acquired 562 gold pieces
201085 | Zig:19   | Acquired 941 gold pieces
201093 | Zig:19   | Identified the amulet "Xutifuar" {Reflect Rampage rN+ Str-3
                  | Slay+3 SH+5}
201097 | Zig:19   | Identified the ring "Raledd" {Contam Str+6 Slay-2 SInv
                  | Stlth+}
201429 | Zig:20   | Entered Level 20 of a ziggurat
201434 | Zig:20   | Noticed an ancient lich
201438 | Zig:20   | Killed an ancient lich
201440 | Zig:20   | Noticed an ancient lich
201444 | Zig:20   | Killed an ancient lich
201451 | Zig:20   | Noticed an ancient lich
201453 | Zig:20   | Noticed a dread lich
201455 | Zig:20   | Killed an ancient lich
201456 | Zig:20   | Killed a dread lich
201898 | Zig:20   | Identified the +1 chain mail "Mawaloin" {MP+9 Str+2 Dex-5}
201905 | Zig:20   | Identified the +0 flail "Impbane" {heavy, *Rage rElec Str+2
                  | Int+3}
201940 | Zig:20   | Identified the staff of earth "Temoiggu" {rPois Int+3
                  | Dex+4}
201945 | Zig:20   | Identified the +0 cloak of Vehumet's Regard {Contam Fly
                  | Regen+ Str+5}
201946 | Zig:20   | Identified the ring of Piynwef {rPois rC+ Dex+4}
201952 | Zig:20   | Identified the +0 pair of gloves "Petica Jiwi" {rN++ Str-4
                  | Int+4}
201956 | Zig:20   | Identified the +7 whip of Ru, Shifting {freeze, rF+ Int+2
                  | Stlth+}
201966 | Zig:21   | Entered Level 21 of a ziggurat
202528 | Zig:21   | Identified the +10 plate armour "Mopast" {rC+ Str+3}
202537 | Zig:21   | Identified the +5 short sword "Newtbane" {heavy, Dex+2}
202543 | Zig:21   | Identified the +11 falchion "Ciqus" {flame, Will++ Str-5}
202545 | Zig:21   | Identified the +9 dire flail "Qist" {vamp, rElec rN+ Int+4
                  | Dex+2}
202552 | Zig:21   | Acquired 310 gold pieces
202554 | Zig:21   | Identified the ring "Muihilal" {Ice Fly rPois Will+ Int+4}
202563 | Zig:21   | Identified the +6 scale mail of Liberty {rF++ Will+ MP-9
                  | Str+4}
202782 | Zig:22   | Entered Level 22 of a ziggurat
203302 | Zig:22   | Identified the +8 trident "Lanas" {heavy, rElec}
203306 | Zig:22   | Identified the +3 long sword of Agony {protect, rN++ Int-2
                  | SInv}
203310 | Zig:22   | Identified the +10 dagger "Ylaj Qoe" {flame, rElec Stlth+}
203312 | Zig:22   | Identified the +5 war axe of the Desolation of Salt
                  | {antimagic, Contam rN++ rCorr Stlth+}
203314 | Zig:22   | Identified the +6 long sword of Impermanence {antimagic,
                  | *Noise Str+6 Dex+4 Stlth+}
203315 | Zig:22   | Identified the ring of Ughedd {Ice Contam Int+6 Dex+4}
203330 | Zig:22   | Identified the amulet "Linucseg" {Fragile Regen+ Int+7}
203345 | Zig:22   | Identified the staff of earth "Ytyot" {rElec Dex+5}
203477 | Zig:23   | Entered Level 23 of a ziggurat
203805 | Zig:23   | Identified the +0 ring mail of Caytir {rElec rF+ Regen+}
203807 | Zig:23   | Identified the ring "Buost" {Ice Will+}
203809 | Zig:23   | Identified the +0 plate armour of Agoraphobia {+Blink rN+
                  | Dex+2 Stlth-}
203816 | Zig:23   | Identified the staff of air "Liegilow" {*Slow rElec rPois
                  | rN+ Int+5}
203817 | Zig:23   | Identified the ring of Unkou {Wiz rPois rC- Dex+4}
203819 | Zig:23   | Identified the +3 spear of Sequestration {flame, Drain Fly
                  | Str-4 Stlth+}
203821 | Zig:23   | Identified the +6 great mace of Bloody Death {protect,
                  | rCorr Dex+3}
203822 | Zig:23   | Identified the ring "Jisunam" {rElec rC++ MP+9 Int+3}
203823 | Zig:23   | Identified the +3 shortbow of Dismay {freeze, Str+2 Int+2}
203824 | Zig:23   | Identified the +1 war axe "Inne" {flame, Dex+2}
203877 | Zig:23   | Identified the +5 glaive "Ceug" {drain, rC+ Int+3 Dex-3}
204277 | Zig:24   | Entered Level 24 of a ziggurat
204284 | Zig:24   | Noticed a juggernaut
204285 | Zig:24   | Noticed a juggernaut
204285 | Zig:24   | Noticed a juggernaut
204286 | Zig:24   | Noticed a juggernaut
204286 | Zig:24   | Noticed a juggernaut
204287 | Zig:24   | Noticed a juggernaut
204287 | Zig:24   | Noticed a juggernaut
204288 | Zig:24   | Killed a juggernaut
204288 | Zig:24   | Noticed a juggernaut
204288 | Zig:24   | Noticed a juggernaut
204288 | Zig:24   | Noticed a juggernaut
204288 | Zig:24   | Noticed a juggernaut
204288 | Zig:24   | Noticed a juggernaut
204288 | Zig:24   | Noticed a juggernaut
204288 | Zig:24   | Noticed a juggernaut
204289 | Zig:24   | Noticed a juggernaut
204289 | Zig:24   | Noticed a juggernaut
204289 | Zig:24   | Noticed a juggernaut
204289 | Zig:24   | Noticed a juggernaut
204290 | Zig:24   | Noticed a juggernaut
204290 | Zig:24   | Noticed a juggernaut
204290 | Zig:24   | Noticed a juggernaut
204290 | Zig:24   | Killed a juggernaut
204290 | Zig:24   | Killed a juggernaut
204290 | Zig:24   | Killed a juggernaut
204290 | Zig:24   | Killed a juggernaut
204290 | Zig:24   | Killed a juggernaut
204290 | Zig:24   | Noticed a juggernaut
204291 | Zig:24   | Killed a juggernaut
204292 | Zig:24   | Noticed a juggernaut
204292 | Zig:24   | Killed a juggernaut
204292 | Zig:24   | Killed a juggernaut
204292 | Zig:24   | Noticed a juggernaut
204293 | Zig:24   | Noticed a juggernaut
204293 | Zig:24   | Killed a juggernaut
204293 | Zig:24   | Killed a juggernaut
204293 | Zig:24   | Killed a juggernaut
204293 | Zig:24   | Killed a juggernaut
204293 | Zig:24   | Killed a juggernaut
204293 | Zig:24   | Killed a juggernaut
204293 | Zig:24   | Killed a juggernaut
204293 | Zig:24   | Killed a juggernaut
204293 | Zig:24   | Killed a juggernaut
204293 | Zig:24   | Killed a juggernaut
204293 | Zig:24   | Killed a juggernaut
204293 | Zig:24   | Noticed a juggernaut
204293 | Zig:24   | Noticed a juggernaut
204294 | Zig:24   | Noticed a juggernaut
204294 | Zig:24   | Noticed a juggernaut
204294 | Zig:24   | Noticed a juggernaut
204294 | Zig:24   | Noticed a juggernaut
204294 | Zig:24   | Noticed a juggernaut
204294 | Zig:24   | Killed a juggernaut
204294 | Zig:24   | Killed a juggernaut
204295 | Zig:24   | Noticed a juggernaut
204295 | Zig:24   | Noticed a juggernaut
204296 | Zig:24   | Noticed a juggernaut
204296 | Zig:24   | Noticed a juggernaut
204297 | Zig:24   | Noticed a juggernaut
204297 | Zig:24   | Killed a juggernaut
204297 | Zig:24   | Killed a juggernaut
204297 | Zig:24   | Noticed a juggernaut
204298 | Zig:24   | Killed a juggernaut
204298 | Zig:24   | Killed a juggernaut
204298 | Zig:24   | Killed a juggernaut
204298 | Zig:24   | Killed a juggernaut
204298 | Zig:24   | Killed a juggernaut
204298 | Zig:24   | Killed a juggernaut
204298 | Zig:24   | Killed a juggernaut
204298 | Zig:24   | Killed a juggernaut
204298 | Zig:24   | Killed a juggernaut
204298 | Zig:24   | Killed a juggernaut
204298 | Zig:24   | Killed a juggernaut
204299 | Zig:24   | Noticed a juggernaut
204299 | Zig:24   | Noticed a juggernaut
204299 | Zig:24   | Noticed a juggernaut
204299 | Zig:24   | Noticed a juggernaut
204299 | Zig:24   | Noticed a juggernaut
204300 | Zig:24   | Killed a juggernaut
204300 | Zig:24   | Killed a juggernaut
204300 | Zig:24   | Killed a juggernaut
204300 | Zig:24   | Noticed a juggernaut
204301 | Zig:24   | Noticed a juggernaut
204301 | Zig:24   | Noticed a juggernaut
204301 | Zig:24   | Noticed a juggernaut
204302 | Zig:24   | Noticed a juggernaut
204302 | Zig:24   | Noticed a juggernaut
204303 | Zig:24   | Noticed a juggernaut
204303 | Zig:24   | Noticed a juggernaut
204303 | Zig:24   | Noticed a juggernaut
204303 | Zig:24   | Noticed a juggernaut
204303 | Zig:24   | Noticed a juggernaut
204303 | Zig:24   | Noticed a juggernaut
204304 | Zig:24   | Killed a juggernaut
204304 | Zig:24   | Killed a juggernaut
204304 | Zig:24   | Killed a juggernaut
204304 | Zig:24   | Killed a juggernaut
204304 | Zig:24   | Killed a juggernaut
204304 | Zig:24   | Killed a juggernaut
204304 | Zig:24   | Killed a juggernaut
204304 | Zig:24   | Killed a juggernaut
204304 | Zig:24   | Killed a juggernaut
204304 | Zig:24   | Killed a juggernaut
204304 | Zig:24   | Noticed a juggernaut
204304 | Zig:24   | Noticed a juggernaut
204305 | Zig:24   | Killed a juggernaut
204306 | Zig:24   | Killed a juggernaut
204307 | Zig:24   | Noticed a juggernaut
204307 | Zig:24   | Killed a juggernaut
204307 | Zig:24   | Killed a juggernaut
204309 | Zig:24   | Killed a juggernaut
204309 | Zig:24   | Killed a juggernaut
204309 | Zig:24   | Killed a juggernaut
204309 | Zig:24   | Killed a juggernaut
204309 | Zig:24   | Killed a juggernaut
204312 | Zig:24   | Killed a juggernaut
204823 | Zig:24   | Identified the +10 sling "Rutsoav" {freeze, rElec}
204845 | Zig:24   | Identified the staff of earth "Achoc" {rF+ Dex+4}
204848 | Zig:24   | Identified the staff of conjuration "Niracy" {rElec rN++}
204942 | Zig:25   | Entered Level 25 of a ziggurat
205693 | Zig:25   | Identified the +11 great sword of the Firefly {flame, *Slow
                  | Fragile rC++ Str+9}
205694 | Zig:25   | Identified the staff of air "Haepu" {rElec rC+ Will+ Int-4}
205695 | Zig:25   | Identified the +10 morningstar of an ice cave {spect, rPois
                  | rN+ Int-3}
205700 | Zig:25   | Identified the +3 spear of Destiny {distort, SInv}
205703 | Zig:25   | Identified the +5 falchion "Athritoubb" {heavy, rElec Str+3
                  | Dex+3 Stlth+}
205708 | Zig:25   | Identified the +6 chain mail of the Present {-Cast rElec
                  | Str+3 SInv}
205710 | Zig:25   | Identified the staff of fire "Wyschuc" {rF+ Str+3}
205713 | Zig:25   | Identified the +0 plate armour of Julaa {*Slow rF- Str+3
                  | Dex+6}
205721 | Zig:25   | Identified the ring of Xeditas {Dex+3 SInv}
205723 | Zig:25   | Identified the staff of death "Axoas" {rElec rN+ Will-
                  | Stlth+}
205731 | Zig:25   | Identified the ring "Jadogheu" {Fly rElec rPois rN+}
205735 | Zig:25   | Identified the ring of Polahyce {rN+ Str+3}
205755 | Zig:26   | Entered Level 26 of a ziggurat
205764 | Zig:26   | Identified the +7 tower shield of the Lair of Beasts {rF+
                  | Dex+3}
205767 | Zig:26   | Paralysed by accursed screaming for 2 turns
205782 | Zig:26   | Noticed a dread lich
205783 | Zig:26   | Noticed a dread lich
205785 | Zig:26   | Killed a dread lich
205785 | Zig:26   | Killed a dread lich
206416 | Zig:26   | Identified the staff of cold "Yfeal" {rElec rC+}
206434 | Zig:26   | Identified the +1 robe of Essuh {Harm rPois Will++ SInv}
206436 | Zig:26   | Identified the +0 cloak of Daisies {Str+3 Int+5}
206447 | Zig:26   | Identified the staff of air "Umilonk" {rElec SInv}
206455 | Zig:26   | Identified the ring of Faalunta {rPois MP+9 Str+6 Int+3
                  | Stlth+}
206479 | Zig:26   | Identified the +10 quick blade of Tension {freeze, Fragile
                  | rCorr Dex+2 Stlth+}
206485 | Zig:26   | Identified the +11 whip of Judgement {vamp, rF- rCorr Dex+3
                  | Stlth+}
206497 | Zig:26   | Identified the +7 glaive of the Sybil {drain, rElec rPois
                  | Will+}
206498 | Zig:26   | Identified the +7 spear "Ypnyt" {drain, rN+ Int+3}
206506 | Zig:26   | Identified the ring of Ephemeral Luck {Wiz Drain rPois rF+}
206508 | Zig:26   | Identified the +8 falchion of Zin's Displeasure {flame,
                  | rCorr}
206512 | Zig:26   | Identified the +0 robe of Ifup {rPois Stlth+}
206518 | Zig:26   | Identified the ring "Wirukir" {Will+ Str+4 Stlth+}
206525 | Zig:26   | Identified the +12 great sword of the Boar {heavy, Int+3}
206542 | Zig:26   | Identified the +8 flail of Cataclysm {pain, Dex+2}
206546 | Zig:26   | Identified the +5 quarterstaff "Hasiffage" {drain, rF+ rN+
                  | rCorr Int-5}
206553 | Zig:26   | Identified the +1 mace of Chaos {flame, Int+3}
206554 | Zig:26   | Identified the +4 steam dragon scales of Curiosity {rF+}
206555 | Zig:26   | Identified the +10 battleaxe of Subjectivity {heavy, Str+4}
206562 | Zig:26   | Identified the +0 scale mail of the Wild Haggis {Rampage
                  | rElec}
206565 | Zig:26   | Identified the amulet of Pifius {Faith rCorr Dex+3}
206566 | Zig:26   | Identified the +6 long sword of Liwnievepp {drain, rC+
                  | Str+2}
206667 | Zig:27   | Entered Level 27 of a ziggurat
206674 | Zig:27   | Paralysed by an air elemental for 1 turns
207061 | Zig:27   | Identified the +8 flail of Doom {speed, rF+ rN+}
207063 | Zig:27   | Identified the +3 spear of the Swamp {pain, rN+ Int+2}
207102 | Zig:27   | Identified the amulet of Beareull {RegenMP Int+2}
207114 | Zig:27   | Identified the staff of cold "Mestitu" {Fly rF+ rC+ Stlth+}
207124 | Zig:27   | Identified the +3 scale mail "Rijos" {Str+2 Dex-3 Stlth+}
207139 | Zig:27   | Acquired 578 gold pieces
207496 | Zig:27   | Identified the +4 war axe of the Girdle {drain, rCorr Dex-5
                  | Stlth+}
207501 | Zig:27   | Identified the staff of death "Xaxidu Otes" {Contam rN+
                  | Int+3 Dex+3}
207602 | Depths:1 | Upgraded the game from 0.30.0-13-g156ef70053 to
                  | 0.30.0-15-g856e2d3f33
207605 | Zig:1    | Entered Level 1 of a ziggurat
207696 | Zig:2    | Entered Level 2 of a ziggurat
207696 | Zig:2    | Noticed a juggernaut
207696 | Zig:2    | Noticed a juggernaut
207697 | Zig:2    | Killed a juggernaut
207697 | Zig:2    | Killed a juggernaut
207804 | Zig:2    | Identified the +3 pair of boots of the Stars {rF+ rC+
                  | Regen+}
207840 | Zig:3    | Entered Level 3 of a ziggurat
207924 | Zig:3    | Identified the amulet "Daikoub" {Reflect Will++ Str+5 Int-5
                  | SH+5}
207975 | Zig:4    | Entered Level 4 of a ziggurat
208170 | Zig:4    | Identified the staff of death "Myroryus" {rF+ rN+ Will+++
                  | Str+3 Stlth-}
208222 | Zig:5    | Entered Level 5 of a ziggurat
208222 | Zig:5    | Noticed a juggernaut
208222 | Zig:5    | Noticed a juggernaut
208222 | Zig:5    | Noticed a juggernaut
208223 | Zig:5    | Killed a juggernaut
208223 | Zig:5    | Killed a juggernaut
208225 | Zig:5    | Noticed a juggernaut
208226 | Zig:5    | Noticed a juggernaut
208227 | Zig:5    | Killed a juggernaut
208229 | Zig:5    | Killed a juggernaut
208232 | Zig:5    | Killed a juggernaut
208385 | Zig:5    | Identified the staff of conjuration "Ismaudai" {rC+ Int+3}
208585 | Zig:6    | Entered Level 6 of a ziggurat
208863 | Zig:6    | Identified the staff of death "Adegh" {rN+ SInv Stlth+}
208865 | Zig:6    | Identified the ring of Dorchaet {Str+6 Int+6 Stlth-}
208880 | Zig:7    | Entered Level 7 of a ziggurat
208880 | Zig:7    | Noticed a juggernaut
208881 | Zig:7    | Killed a juggernaut
209011 | Zig:7    | Identified the staff of conjuration "Xucloyr" {rF++ Str+7
                  | Stlth-}
209015 | Zig:7    | Identified the staff of earth "Veutigy" {rC+}
209023 | Zig:7    | Identified the amulet of Veiluo {Acrobat rF+ rC- Will+++}
209275 | Zig:8    | Entered Level 8 of a ziggurat
209275 | Zig:8    | Noticed a dread lich
209275 | Zig:8    | Noticed a dread lich
209277 | Zig:8    | Killed a dread lich
209277 | Zig:8    | Killed a dread lich
209611 | Zig:8    | Identified the +4 plate armour of Complete Protection
                  | {rPois SInv}
209614 | Zig:8    | Identified the +1 battleaxe "Pendulum" {vamp, rN+ rCorr
                  | Str+6 Int-2}
209647 | Zig:9    | Entered Level 9 of a ziggurat
210021 | Zig:9    | Identified the +4 spear of Okawaru's Respect {flame, rN+
                  | rCorr Dex+4}
210023 | Zig:9    | Identified the +7 flail of Omoyg {heavy, rF+ rC+ rCorr
                  | Int-5}
210048 | Zig:10   | Entered Level 10 of a ziggurat
210048 | Zig:10   | Noticed a dread lich
210048 | Zig:10   | Noticed a royal mummy
210048 | Zig:10   | Noticed a royal mummy
210048 | Zig:10   | Noticed a royal mummy
210048 | Zig:10   | Noticed a royal mummy
210048 | Zig:10   | Noticed a royal mummy
210048 | Zig:10   | Noticed a royal mummy
210048 | Zig:10   | Noticed a royal mummy
210048 | Zig:10   | Noticed a royal mummy
210048 | Zig:10   | Noticed a royal mummy
210048 | Zig:10   | Noticed a royal mummy
210048 | Zig:10   | Noticed a royal mummy
210048 | Zig:10   | Noticed a royal mummy
210048 | Zig:10   | Noticed a royal mummy
210049 | Zig:10   | Killed a royal mummy
210049 | Zig:10   | Killed a royal mummy
210049 | Zig:10   | Killed a royal mummy
210049 | Zig:10   | Killed a royal mummy
210049 | Zig:10   | Killed a royal mummy
210049 | Zig:10   | Killed a royal mummy
210049 | Zig:10   | Killed a royal mummy
210049 | Zig:10   | Killed a royal mummy
210049 | Zig:10   | Killed a royal mummy
210049 | Zig:10   | Killed a royal mummy
210049 | Zig:10   | Killed a royal mummy
210049 | Zig:10   | Killed a royal mummy
210049 | Zig:10   | Noticed a royal mummy
210050 | Zig:10   | Noticed a royal mummy
210050 | Zig:10   | Noticed a royal mummy
210052 | Zig:10   | Noticed a royal mummy
210052 | Zig:10   | Noticed a royal mummy
210052 | Zig:10   | Killed a royal mummy
210052 | Zig:10   | Noticed a royal mummy
210052 | Zig:10   | Noticed a royal mummy
210053 | Zig:10   | Noticed a royal mummy
210053 | Zig:10   | Noticed a royal mummy
210053 | Zig:10   | Noticed a royal mummy
210054 | Zig:10   | Killed a royal mummy
210054 | Zig:10   | Noticed a royal mummy
210054 | Zig:10   | Noticed a royal mummy
210055 | Zig:10   | Noticed a royal mummy
210055 | Zig:10   | Noticed a royal mummy
210058 | Zig:10   | Killed a royal mummy
210058 | Zig:10   | Killed a royal mummy
210058 | Zig:10   | Killed a royal mummy
210058 | Zig:10   | Killed a royal mummy
210058 | Zig:10   | Killed a royal mummy
210058 | Zig:10   | Killed a royal mummy
210058 | Zig:10   | Killed a royal mummy
210058 | Zig:10   | Killed a royal mummy
210058 | Zig:10   | Killed a royal mummy
210058 | Zig:10   | Killed a royal mummy
210058 | Zig:10   | Killed a royal mummy
210059 | Zig:10   | Noticed a royal mummy
210062 | Zig:10   | Noticed a royal mummy
210062 | Zig:10   | Killed a royal mummy
210067 | Zig:10   | Killed a royal mummy
210068 | Zig:10   | Killed a dread lich
210076 | Zig:10   | Killed a royal mummy
210076 | Zig:10   | Killed a royal mummy
210450 | Zig:10   | Identified the +5 quarterstaff of Bankruptcy {protect, rF-
                  | rC- rN+ Int+7}
210464 | Zig:10   | Identified the +10 spear "Eviscerator" {antimagic, rCorr
                  | Int+5}
210476 | Zig:10   | Identified the ring of Jots {rElec rPois Will+ rCorr}
210478 | Zig:10   | Identified the +3 short sword "Yxusmira" {flame, Fragile
                  | rF+ Dex+5}
210527 | Zig:11   | Entered Level 11 of a ziggurat
210793 | Zig:11   | Identified the staff of conjuration "Ciwuerch Hysi" {+Blink
                  | Fly}
210797 | Zig:11   | Identified the +5 tower shield of Arphemia {rF+ Will-
                  | Dex+8}
210800 | Zig:11   | Identified the staff of death "Qoqu" {rN+ Str+2 Dex+3}
210801 | Zig:11   | Identified the staff of earth "Xonidob" {rPois Will- Str+2}
210967 | Zig:12   | Entered Level 12 of a ziggurat
210982 | Zig:12   | Noticed Iguos the pandemonium lord
210985 | Zig:12   | Killed Iguos the pandemonium lord
211303 | Zig:12   | Identified the +8 plate armour of Diri {+Blink}
211312 | Zig:12   | Identified the +4 arbalest of the Reaper {antimagic, rF+
                  | rC- Str+3 Int+4}
211408 | Zig:13   | Entered Level 13 of a ziggurat
211410 | Zig:13   | Noticed a dread lich
211410 | Zig:13   | Noticed a dread lich
211410 | Zig:13   | Noticed an ancient lich
211410 | Zig:13   | Noticed an ancient lich
211410 | Zig:13   | Noticed an ancient lich
211410 | Zig:13   | Noticed an ancient lich
211410 | Zig:13   | Noticed a dread lich
211410 | Zig:13   | Noticed an ancient lich
211410 | Zig:13   | Noticed a dread lich
211410 | Zig:13   | Noticed an ancient lich
211410 | Zig:13   | Noticed an ancient lich
211410 | Zig:13   | Noticed an ancient lich
211410 | Zig:13   | Noticed a dread lich
211410 | Zig:13   | Noticed an ancient lich
211410 | Zig:13   | Noticed an ancient lich
211412 | Zig:13   | Killed a dread lich
211412 | Zig:13   | Killed an ancient lich
211412 | Zig:13   | Killed an ancient lich
211412 | Zig:13   | Killed a dread lich
211412 | Zig:13   | Killed a dread lich
211412 | Zig:13   | Killed an ancient lich
211412 | Zig:13   | Noticed a dread lich
211412 | Zig:13   | Noticed a dread lich
211412 | Zig:13   | Noticed a dread lich
211413 | Zig:13   | Noticed an ancient lich
211413 | Zig:13   | Noticed a dread lich
211413 | Zig:13   | Noticed an ancient lich
211413 | Zig:13   | Noticed an ancient lich
211413 | Zig:13   | Noticed a dread lich
211413 | Zig:13   | Noticed an ancient lich
211414 | Zig:13   | Noticed a dread lich
211414 | Zig:13   | Noticed an ancient lich
211414 | Zig:13   | Killed an ancient lich
211414 | Zig:13   | Killed a dread lich
211414 | Zig:13   | Killed an ancient lich
211414 | Zig:13   | Noticed an ancient lich
211415 | Zig:13   | Noticed a dread lich
211415 | Zig:13   | Killed an ancient lich
211415 | Zig:13   | Killed an ancient lich
211415 | Zig:13   | Killed a dread lich
211415 | Zig:13   | Killed an ancient lich
211415 | Zig:13   | Killed a dread lich
211415 | Zig:13   | Killed an ancient lich
211415 | Zig:13   | Killed a dread lich
211415 | Zig:13   | Killed an ancient lich
211415 | Zig:13   | Killed an ancient lich
211415 | Zig:13   | Killed an ancient lich
211416 | Zig:13   | Noticed a dread lich
211416 | Zig:13   | Noticed a dread lich
211416 | Zig:13   | Noticed an ancient lich
211416 | Zig:13   | Killed a dread lich
211417 | Zig:13   | Noticed an ancient lich
211417 | Zig:13   | Noticed a dread lich
211417 | Zig:13   | Killed an ancient lich
211417 | Zig:13   | Killed a dread lich
211417 | Zig:13   | Killed an ancient lich
211417 | Zig:13   | Killed a dread lich
211417 | Zig:13   | Noticed an ancient lich
211418 | Zig:13   | Killed a dread lich
211418 | Zig:13   | Killed a dread lich
211418 | Zig:13   | Killed an ancient lich
211421 | Zig:13   | Killed a dread lich
211424 | Zig:13   | Killed an ancient lich
211424 | Zig:13   | Killed a dread lich
211424 | Zig:13   | Killed an ancient lich
211425 | Zig:13   | Killed an ancient lich
211425 | Zig:13   | Killed a dread lich
211435 | Zig:13   | Killed an ancient lich
211608 | Zig:13   | Identified the +9 rapier of Honour {freeze, rC++ Will+
                  | rCorr MP+9}
211621 | Zig:13   | Identified the +4 hand axe "Miphekes" {holy, Dex+3}
211634 | Zig:13   | Identified the +2 kite shield of the Raven {Contam rElec
                  | rPois}
211644 | Zig:13   | Identified the +0 dire flail of Untimely Demise {venom,
                  | +Blink}
211646 | Zig:13   | Tricky101: yooooo i tried to nap at work
211648 | Zig:13   | Identified the +5 fire dragon scales of Lorycsei {+Blink
                  | rF++ rC- rN+}
211650 | Zig:13   | Tricky101: cant im so fucked
211650 | Zig:13   | shadowrider38: hah
211829 | Zig:14   | Entered Level 14 of a ziggurat
211830 | Zig:14   | shadowrider38: thats unlucky
211830 | Zig:14   | Tricky101: how many zigs are u on
211841 | Zig:14   | Tricky101: and why tp there
211841 | Zig:14   | shadowrider38: probably 11 i think
211841 | Zig:14   | shadowrider38: or 12
211841 | Zig:14   | shadowrider38: i tp cuz ignition hits more things
211841 | Zig:14   | shadowrider38: i dont have infinite mp like valagong
212176 | Zig:14   | Tricky101: XD
212283 | Zig:14   | Identified the ring of the Morning {rElec MP+9 Dex+2}
212285 | Zig:14   | Identified the staff of earth "Xett" {Will+ Int+3}
212308 | Zig:14   | Tricky101: mutate more
212315 | Zig:14   | Identified the amulet "Uheikk" {Acrobat +Blink Str+3}
212318 | Zig:14   | Tricky101: >:)
212318 | Zig:14   | shadowrider38: stop laughing
212318 | Zig:14   | shadowrider38: its not funny
212318 | Zig:14   | Tricky101: hahahahhaha
212318 | Zig:14   | Tricky101: XD
212318 | Zig:14   | shadowrider38: its not something i can get lol
212318 | Zig:14   | Tricky101: how did u know
212318 | Zig:14   | shadowrider38: its a demonspawn mutation
212369 | Zig:15   | Entered Level 15 of a ziggurat
212371 | Zig:15   | Tricky101: it cracks me up
212373 | Zig:15   | Noticed an ancient lich
212373 | Zig:15   | Noticed an ancient lich
212373 | Zig:15   | Noticed a dread lich
212373 | Zig:15   | Noticed an ancient lich
212373 | Zig:15   | Noticed a dread lich
212373 | Zig:15   | Noticed an ancient lich
212373 | Zig:15   | Noticed a dread lich
212373 | Zig:15   | Noticed an ancient lich
212374 | Zig:15   | Killed an ancient lich
212375 | Zig:15   | Noticed a dread lich
212376 | Zig:15   | Killed an ancient lich
212376 | Zig:15   | Killed a dread lich
212376 | Zig:15   | Killed an ancient lich
212376 | Zig:15   | Killed an ancient lich
212376 | Zig:15   | Killed a dread lich
212376 | Zig:15   | Killed a dread lich
212376 | Zig:15   | Noticed a dread lich
212376 | Zig:15   | Noticed an ancient lich
212377 | Zig:15   | Noticed an ancient lich
212377 | Zig:15   | shadowrider38: i can tell :|
212377 | Zig:15   | Tricky101: your better than him cause u vape <3>
                  | ERROR: string above had unterminated tag
212377 | Zig:15   | shadowrider38: lol
212377 | Zig:15   | shadowrider38: definitely
212377 | Zig:15   | Noticed an ancient lich
212377 | Zig:15   | Killed an ancient lich
212377 | Zig:15   | Noticed a dread lich
212378 | Zig:15   | Noticed a dread lich
212379 | Zig:15   | Noticed a dread lich
212379 | Zig:15   | Noticed a dread lich
212379 | Zig:15   | Killed a dread lich
212379 | Zig:15   | Noticed an ancient lich
212379 | Zig:15   | Noticed a dread lich
212380 | Zig:15   | Noticed an ancient lich
212380 | Zig:15   | Noticed a dread lich
212380 | Zig:15   | Noticed an ancient lich
212381 | Zig:15   | Noticed an ancient lich
212381 | Zig:15   | Noticed a dread lich
212381 | Zig:15   | Noticed an ancient lich
212381 | Zig:15   | Noticed a dread lich
212381 | Zig:15   | Noticed a dread lich
212382 | Zig:15   | Noticed an ancient lich
212382 | Zig:15   | Killed a dread lich
212382 | Zig:15   | Killed an ancient lich
212382 | Zig:15   | Killed a dread lich
212382 | Zig:15   | Noticed an ancient lich
212384 | Zig:15   | Noticed an ancient lich
212384 | Zig:15   | Killed an ancient lich
212384 | Zig:15   | Killed an ancient lich
212385 | Zig:15   | Killed a dread lich
212385 | Zig:15   | Killed an ancient lich
212385 | Zig:15   | Killed a dread lich
212385 | Zig:15   | Killed a dread lich
212386 | Zig:15   | Killed a dread lich
212386 | Zig:15   | Killed an ancient lich
212386 | Zig:15   | Killed a dread lich
212387 | Zig:15   | Killed an ancient lich
212387 | Zig:15   | Killed an ancient lich
212387 | Zig:15   | Killed a dread lich
212387 | Zig:15   | Killed an ancient lich
212387 | Zig:15   | Killed an ancient lich
212387 | Zig:15   | Killed a dread lich
212388 | Zig:15   | Killed an ancient lich
212388 | Zig:15   | Killed a dread lich
212388 | Zig:15   | Killed an ancient lich
212627 | Zig:15   | Identified the +2 robe of Sashrot {rPois}
212634 | Zig:15   | Identified the ring "Lytzudub" {Ice rCorr}
212881 | Zig:16   | Entered Level 16 of a ziggurat
212885 | Zig:16   | Tricky101: i wanna see you go sprig ranger
212898 | Zig:16   | Tricky101: nuke these fish sticks
213383 | Zig:16   | Identified the +1 morningstar "Fowidie" {freeze, Will-
                  | Int+6}
213403 | Zig:16   | Identified the ring of Rabb {MP+9 Int+3}
213407 | Zig:16   | Identified the +8 falchion of Ambiguity {flame, *Slow rElec
                  | Str+7 Int+2}
213414 | Zig:16   | Identified the staff of death "Xasanla" {rElec rC+++ rN+
                  | Str-4 Dex-2}
213422 | Zig:16   | Identified the amulet of Xom's Recklessness {Reflect rF++
                  | SH+5}
213425 | Zig:16   | Identified the amulet of Incredulity {Reflect rC+ Will+
                  | SH+5}
213444 | Zig:16   | Identified the amulet "Keast" {RegenMP Str+2 Int+3}
213503 | Zig:17   | Entered Level 17 of a ziggurat
213510 | Zig:17   | Paralysed by a wendigo for 1 turns
213634 | Zig:17   | Found the +0 toga "Victory" {*Victory Clar}
213654 | Zig:17   | Identified the +7 falchion "Keurerept" {heavy, Dex+3}
213660 | Zig:17   | Identified the staff of conjuration "Tuerea" {Will+ Str+4
                  | Int+3}
213683 | Zig:17   | shadowrider38: never seen this before
213707 | Zig:17   | Identified the ring "Lodakhom" {Int+3 SInv}
213723 | Zig:17   | Identified the ring of Xom's Capriciousness {rPois rN+
                  | Str-5 Int+6 Stlth+}
214020 | Zig:18   | Entered Level 18 of a ziggurat
214533 | Zig:18   | Identified the ring "Ymyshut" {+Blink Str-2 Dex+6 SInv}
214539 | Zig:18   | Identified the +6 war axe of Brutal Revenge {drain, Drain
                  | rElec Int+2}
214547 | Zig:18   | Identified the staff of earth "Xuocrya" {rN+ Will+ SInv}
214551 | Zig:18   | Identified the +4 lajatang "Xideef" {spect, *Rage rF+++
                  | Str-3 Int+3}
214557 | Zig:18   | Acquired 856 gold pieces
214594 | Zig:18   | Identified the ring "Xugujogh" {rCorr Str+4}
214643 | Zig:18   | Identified the ring "Vaezyo Caast" {Ice rN+ Will+}
214718 | Zig:19   | Entered Level 19 of a ziggurat
214722 | Zig:19   | Tricky101: you half way there
214730 | Zig:19   | Tricky101: ohhhhhahhhh livin on a prayer
214918 | Zig:19   | shadowrider38: wait
214918 | Zig:19   | shadowrider38: were you ever friends with jenny
214977 | Zig:19   | Acquired 680 gold pieces
214978 | Zig:19   | Tricky101: no is this a dick joke
214978 | Zig:19   | Acquired 998 gold pieces
214979 | Zig:19   | Acquired 811 gold pieces
214980 | Zig:19   | shadowrider38: wut
214980 | Zig:19   | Tricky101: i know candice
214990 | Zig:19   | Identified the +4 great sword of the Scavenger {flame,
                  | rElec Str-4 Dex+5}
214991 | Zig:19   | Tricky101: thats it
215009 | Zig:19   | Identified the staff of earth "Qeoczol" {Dex+3 SInv Stlth+}
215014 | Zig:19   | Identified the staff of cold "Liogojil" {rC+ Will+}
215015 | Zig:19   | shadowrider38: okay
215015 | Zig:19   | Tricky101: why
215015 | Zig:19   | shadowrider38: no im actually not joking
215015 | Zig:19   | Tricky101: no
215015 | Zig:19   | Tricky101: i dont know jenny
215015 | Zig:19   | shadowrider38: k you just remind me of them
215015 | Zig:19   | shadowrider38: they used to spectate ppl a lot
215015 | Zig:19   | Tricky101: guess im trans now
215017 | Zig:19   | Identified the +2 hand axe "Demonslayer" {elec, rElec MP+9}
215020 | Zig:19   | Identified the +4 shortbow "Demonspawn's Regret"
                  | {antimagic, Fragile +Blink Int+5}
215385 | Zig:20   | Entered Level 20 of a ziggurat
215387 | Zig:20   | Noticed a royal mummy
215387 | Zig:20   | Noticed a royal mummy
215387 | Zig:20   | Noticed a royal mummy
215387 | Zig:20   | Noticed a royal mummy
215387 | Zig:20   | Noticed a royal mummy
215387 | Zig:20   | Noticed a royal mummy
215387 | Zig:20   | Noticed a royal mummy
215387 | Zig:20   | Noticed a royal mummy
215387 | Zig:20   | Noticed a royal mummy
215387 | Zig:20   | Noticed a royal mummy
215389 | Zig:20   | Killed a royal mummy
215389 | Zig:20   | Killed a royal mummy
215389 | Zig:20   | Killed a royal mummy
215389 | Zig:20   | Killed a royal mummy
215389 | Zig:20   | Killed a royal mummy
215389 | Zig:20   | Killed a royal mummy
215389 | Zig:20   | Killed a royal mummy
215389 | Zig:20   | Killed a royal mummy
215389 | Zig:20   | Killed a royal mummy
215389 | Zig:20   | Killed a royal mummy
215390 | Zig:20   | Noticed a royal mummy
215390 | Zig:20   | Noticed a royal mummy
215391 | Zig:20   | Noticed a royal mummy
215391 | Zig:20   | Noticed a royal mummy
215391 | Zig:20   | Noticed a royal mummy
215391 | Zig:20   | Noticed a royal mummy
215391 | Zig:20   | Noticed a royal mummy
215392 | Zig:20   | Killed a royal mummy
215392 | Zig:20   | Noticed a royal mummy
215392 | Zig:20   | Noticed a royal mummy
215393 | Zig:20   | Noticed a royal mummy
215394 | Zig:20   | Tricky101: lol
215394 | Zig:20   | Noticed a royal mummy
215394 | Zig:20   | Noticed a royal mummy
215394 | Zig:20   | Noticed a royal mummy
215394 | Zig:20   | Noticed a royal mummy
215394 | Zig:20   | Noticed a royal mummy
215394 | Zig:20   | Noticed a royal mummy
215395 | Zig:20   | Noticed a royal mummy
215395 | Zig:20   | Noticed a royal mummy
215395 | Zig:20   | Noticed a royal mummy
215395 | Zig:20   | Noticed a royal mummy
215395 | Zig:20   | Noticed a royal mummy
215395 | Zig:20   | Killed a royal mummy
215395 | Zig:20   | Killed a royal mummy
215395 | Zig:20   | Noticed a royal mummy
215395 | Zig:20   | Noticed a royal mummy
215396 | Zig:20   | Noticed a royal mummy
215396 | Zig:20   | Noticed a royal mummy
215396 | Zig:20   | Killed a royal mummy
215396 | Zig:20   | Noticed a royal mummy
215396 | Zig:20   | Noticed a royal mummy
215396 | Zig:20   | Noticed a royal mummy
215397 | Zig:20   | Noticed a royal mummy
215397 | Zig:20   | Noticed a royal mummy
215397 | Zig:20   | Noticed a royal mummy
215397 | Zig:20   | Noticed a royal mummy
215399 | Zig:20   | Killed a royal mummy
215399 | Zig:20   | Killed a royal mummy
215399 | Zig:20   | Killed a royal mummy
215399 | Zig:20   | Killed a royal mummy
215399 | Zig:20   | Killed a royal mummy
215399 | Zig:20   | Killed a royal mummy
215399 | Zig:20   | Killed a royal mummy
215399 | Zig:20   | Killed a royal mummy
215399 | Zig:20   | Killed a royal mummy
215399 | Zig:20   | Killed a royal mummy
215399 | Zig:20   | Killed a royal mummy
215399 | Zig:20   | Killed a royal mummy
215399 | Zig:20   | Killed a royal mummy
215399 | Zig:20   | Killed a royal mummy
215399 | Zig:20   | Killed a royal mummy
215399 | Zig:20   | Killed a royal mummy
215399 | Zig:20   | Killed a royal mummy
215399 | Zig:20   | Killed a royal mummy
215399 | Zig:20   | Killed a royal mummy
215399 | Zig:20   | Killed a royal mummy
215399 | Zig:20   | Noticed a royal mummy
215400 | Zig:20   | Killed a royal mummy
215400 | Zig:20   | Killed a royal mummy
215400 | Zig:20   | Killed a royal mummy
215400 | Zig:20   | Killed a royal mummy
215400 | Zig:20   | Killed a royal mummy
215400 | Zig:20   | Killed a royal mummy
215400 | Zig:20   | Killed a royal mummy
215400 | Zig:20   | Killed a royal mummy
215400 | Zig:20   | Noticed a royal mummy
215400 | Zig:20   | Noticed a royal mummy
215400 | Zig:20   | Noticed a royal mummy
215401 | Zig:20   | Noticed a royal mummy
215401 | Zig:20   | Noticed a royal mummy
215402 | Zig:20   | Noticed a royal mummy
215402 | Zig:20   | Noticed a royal mummy
215402 | Zig:20   | Noticed a royal mummy
215403 | Zig:20   | Noticed a royal mummy
215403 | Zig:20   | Noticed a royal mummy
215404 | Zig:20   | Killed a royal mummy
215404 | Zig:20   | Killed a royal mummy
215404 | Zig:20   | Noticed a royal mummy
215404 | Zig:20   | Noticed a royal mummy
215404 | Zig:20   | Noticed a royal mummy
215405 | Zig:20   | Noticed a royal mummy
215405 | Zig:20   | Noticed a royal mummy
215407 | Zig:20   | Killed a royal mummy
215407 | Zig:20   | Killed a royal mummy
215407 | Zig:20   | Killed a royal mummy
215407 | Zig:20   | Killed a royal mummy
215407 | Zig:20   | Killed a royal mummy
215407 | Zig:20   | Killed a royal mummy
215407 | Zig:20   | Killed a royal mummy
215407 | Zig:20   | Killed a royal mummy
215407 | Zig:20   | Killed a royal mummy
215407 | Zig:20   | Killed a royal mummy
215407 | Zig:20   | Killed a royal mummy
215407 | Zig:20   | Killed a royal mummy
215407 | Zig:20   | Noticed a royal mummy
215409 | Zig:20   | Tricky101: i work so yea works out that i spec alot to
                  | learn and talk
215409 | Zig:20   | Noticed a royal mummy
215410 | Zig:20   | Noticed a royal mummy
215414 | Zig:20   | Noticed a royal mummy
215414 | Zig:20   | Noticed a royal mummy
215415 | Zig:20   | Noticed a royal mummy
215415 | Zig:20   | Noticed a royal mummy
215415 | Zig:20   | Killed a royal mummy
215416 | Zig:20   | Noticed a royal mummy
215417 | Zig:20   | Killed a royal mummy
215421 | Zig:20   | Killed a royal mummy
215421 | Zig:20   | Killed a royal mummy
215421 | Zig:20   | Killed a royal mummy
215421 | Zig:20   | Killed a royal mummy
215421 | Zig:20   | Killed a royal mummy
215421 | Zig:20   | Killed a royal mummy
215423 | Zig:20   | Killed a royal mummy
215424 | Zig:20   | Killed a royal mummy
215990 | Zig:20   | Identified the ring of Amelioration {Wiz rElec rCorr}
216061 | Zig:20   | Identified the +6 bardiche of Nekhles {freeze, rC- Dex+8
                  | SInv}
216118 | Zig:21   | Entered Level 21 of a ziggurat
216127 | Zig:21   | Tricky101: lol
216128 | Zig:21   | Tricky101: nice tp
216134 | Zig:21   | shadowrider38: can we cut it out
216134 | Zig:21   | Tricky101: wtf is going on
216134 | Zig:21   | Tricky101: XD
216134 | Zig:21   | shadowrider38: dispesal traps
216134 | Zig:21   | Tricky101: ik
216134 | Zig:21   | Tricky101: but fuck off
216134 | Zig:21   | shadowrider38: ridiculous
216139 | Zig:21   | Tricky101: im getting 3rd person wiplash
216450 | Zig:21   | Identified the +3 great mace "Ajuava" {spect, rF+ MP+9
                  | Dex+5 SInv}
216460 | Zig:21   | Identified the ring of Larghiweb {*Corrode Fly rF+ Will+
                  | Int+6}
216472 | Zig:21   | Identified the +10 short sword of Generosity {heavy, rPois
                  | rC+}
216483 | Zig:21   | Identified the amulet of Lugonu's Castigation {RegenMP
                  | Rampage rF+ Int-2 Dex+2}
216485 | Zig:21   | Identified the +0 plate armour of the Harvest {rElec rCorr
                  | Dex-3 Slay+4}
216489 | Zig:21   | Acquired 708 gold pieces
216490 | Zig:21   | Acquired 875 gold pieces
216491 | Zig:21   | Acquired 856 gold pieces
216512 | Zig:21   | Identified the +3 shortbow "Xiephog" {freeze, rN++ Str-2
                  | Int+8}
216557 | Zig:21   | Identified the amulet "Xuefuav" {RegenMP Fragile Str+3}
216999 | Zig:22   | Entered Level 22 of a ziggurat
217001 | Zig:22   | shadowrider38: heh
217003 | Zig:22   | Noticed a juggernaut
217005 | Zig:22   | Noticed a juggernaut
217005 | Zig:22   | Noticed a juggernaut
217005 | Zig:22   | Noticed a juggernaut
217005 | Zig:22   | Noticed a juggernaut
217005 | Zig:22   | Noticed a juggernaut
217005 | Zig:22   | Noticed a juggernaut
217005 | Zig:22   | Noticed a juggernaut
217005 | Zig:22   | Noticed a juggernaut
217005 | Zig:22   | Noticed a juggernaut
217006 | Zig:22   | Noticed a juggernaut
217007 | Zig:22   | Noticed a juggernaut
217008 | Zig:22   | Noticed a juggernaut
217008 | Zig:22   | Noticed a juggernaut
217008 | Zig:22   | Killed a juggernaut
217008 | Zig:22   | Killed a juggernaut
217008 | Zig:22   | Killed a juggernaut
217008 | Zig:22   | Killed a juggernaut
217008 | Zig:22   | Killed a juggernaut
217008 | Zig:22   | Killed a juggernaut
217008 | Zig:22   | Killed a juggernaut
217008 | Zig:22   | Killed a juggernaut
217008 | Zig:22   | Noticed a juggernaut
217009 | Zig:22   | Killed a juggernaut
217009 | Zig:22   | Killed a juggernaut
217010 | Zig:22   | Noticed a juggernaut
217010 | Zig:22   | Noticed a juggernaut
217010 | Zig:22   | Killed a juggernaut
217011 | Zig:22   | Noticed a juggernaut
217011 | Zig:22   | Noticed a juggernaut
217011 | Zig:22   | Noticed a juggernaut
217011 | Zig:22   | Noticed a juggernaut
217011 | Zig:22   | Killed a juggernaut
217011 | Zig:22   | Killed a juggernaut
217012 | Zig:22   | Noticed a juggernaut
217012 | Zig:22   | Noticed a juggernaut
217012 | Zig:22   | Noticed a juggernaut
217012 | Zig:22   | Noticed a juggernaut
217013 | Zig:22   | Killed a juggernaut
217013 | Zig:22   | Killed a juggernaut
217013 | Zig:22   | Killed a juggernaut
217013 | Zig:22   | Killed a juggernaut
217013 | Zig:22   | Killed a juggernaut
217013 | Zig:22   | Killed a juggernaut
217013 | Zig:22   | Killed a juggernaut
217013 | Zig:22   | Killed a juggernaut
217014 | Zig:22   | Noticed a juggernaut
217014 | Zig:22   | Noticed a juggernaut
217014 | Zig:22   | Noticed a juggernaut
217014 | Zig:22   | Noticed a juggernaut
217014 | Zig:22   | Noticed a juggernaut
217014 | Zig:22   | Noticed a juggernaut
217014 | Zig:22   | Noticed a juggernaut
217014 | Zig:22   | Noticed a juggernaut
217014 | Zig:22   | Noticed a juggernaut
217014 | Zig:22   | Noticed a juggernaut
217014 | Zig:22   | Noticed a juggernaut
217014 | Zig:22   | Noticed a juggernaut
217014 | Zig:22   | Noticed a juggernaut
217014 | Zig:22   | Noticed a juggernaut
217014 | Zig:22   | Noticed a juggernaut
217014 | Zig:22   | Noticed a juggernaut
217014 | Zig:22   | Noticed a juggernaut
217016 | Zig:22   | Killed a juggernaut
217016 | Zig:22   | Killed a juggernaut
217016 | Zig:22   | Killed a juggernaut
217016 | Zig:22   | Killed a juggernaut
217016 | Zig:22   | Killed a juggernaut
217017 | Zig:22   | Noticed a juggernaut
217017 | Zig:22   | Killed a juggernaut
217017 | Zig:22   | Killed a juggernaut
217017 | Zig:22   | Killed a juggernaut
217017 | Zig:22   | Killed a juggernaut
217017 | Zig:22   | Killed a juggernaut
217017 | Zig:22   | Killed a juggernaut
217017 | Zig:22   | Killed a juggernaut
217017 | Zig:22   | Killed a juggernaut
217017 | Zig:22   | Killed a juggernaut
217017 | Zig:22   | Killed a juggernaut
217017 | Zig:22   | Killed a juggernaut
217017 | Zig:22   | Killed a juggernaut
217017 | Zig:22   | Killed a juggernaut
217017 | Zig:22   | Killed a juggernaut
217017 | Zig:22   | Killed a juggernaut
217018 | Zig:22   | Killed a juggernaut
217018 | Zig:22   | Noticed a juggernaut
217023 | Zig:22   | Killed a juggernaut
217023 | Zig:22   | Noticed a juggernaut
217025 | Zig:22   | Killed a juggernaut
217029 | Zig:22   | Killed a juggernaut
217527 | Zig:22   | Identified the ring of Balance {Dex+3 SInv Stlth+}
217557 | Zig:22   | Identified the +8 shortbow of Pandemonium {freeze, rPois
                  | rC+ Str+3 Stlth-}
217655 | Zig:23   | Entered Level 23 of a ziggurat
217657 | Zig:23   | Tricky101: 69
217658 | Zig:23   | Tricky101: 69
217658 | Zig:23   | Tricky101: 69
217660 | Zig:23   | Tricky101: nice ac
217874 | Zig:23   | shadowrider38: can i just say
217874 | Zig:23   | shadowrider38: thanks btw
217874 | Zig:23   | Tricky101: huh
217874 | Zig:23   | Tricky101: go to bed
217874 | Zig:23   | shadowrider38: why
217874 | Zig:23   | Tricky101: dont get all emotional on me
217874 | Zig:23   | shadowrider38: ok then
217932 | Zig:23   | Identified the amulet of Numeets {Reflect Rampage rC+ SH+5
                  | Stlth+}
217939 | Zig:23   | Identified the ring of Dawn {rN++ EV+5}
217967 | Zig:23   | Identified the +4 pair of gloves "Irchophu" {Rampage rPois
                  | Str+3}
217969 | Zig:23   | Identified the +1 scale mail of the Ten Mouths {rPois Will+
                  | Int+3 Stlth-}
217981 | Zig:23   | Acquired 665 gold pieces
217985 | Zig:23   | Identified the +3 mace of the Sage {flame, rElec}
217987 | Zig:23   | Identified the staff of death "Boc Loed" {rN+ MP+9}
218013 | Zig:23   | Identified the +0 arbalest "Tormentor" {elec, rC- Int+4
                  | Dex+6}
218017 | Zig:23   | Identified the +0 leather armour of Precision Catastrophes
                  | {rCorr Int+4}
218025 | Zig:23   | Identified the ring of Tuemui {rElec Int+6}
218051 | Zig:23   | Identified the +6 lajatang of Ycuigumu {heavy, rF+ rN+
                  | Str+2}
218052 | Zig:23   | Identified the +10 spear of Calculation {drain, rN+ Str+7
                  | Int-5}
218439 | Zig:23   | Identified the ring of Traps {rF+ Will+ Str+3}
218463 | Zig:23   | Tricky101: jokes aside no problem i cant do lair alone nun
                  | the less 27 zigs
218529 | Zig:23   | shadowrider38: wut
218529 | Zig:23   | Tricky101: your just lucky i cant sleep in public
218529 | Zig:23   | Tricky101: i thought you were gonna thank me for making
                  | this less boring
218529 | Zig:23   | Tricky101: XD
218529 | Zig:23   | shadowrider38: no lol
218529 | Zig:23   | Tricky101: well
218529 | Zig:23   | shadowrider38: i was gonna say when chatting with ppl
                  | online i have zero sense of how old they actually are
218530 | Zig:24   | Entered Level 24 of a ziggurat
218535 | Zig:24   | Tricky101: im a boomer
218535 | Zig:24   | Tricky101: 25
218538 | Zig:24   | Noticed a dread lich
218540 | Zig:24   | Killed a dread lich
218548 | Zig:24   | shadowrider38: boomer indeed
218551 | Zig:24   | Tricky101: fuck u zoomer
218555 | Zig:24   | Tricky101: come talk to me when u know what VHS is
218557 | Zig:24   | Noticed an ancient lich
218561 | Zig:24   | shadowrider38: lol funny
218562 | Zig:24   | Tricky101: XD]
218565 | Zig:24   | Killed an ancient lich
218567 | Zig:24   | Noticed an ancient lich
218568 | Zig:24   | Killed an ancient lich
218581 | Zig:24   | Tricky101: i forgot your a freak that can do this shit
                  | alone
218589 | Zig:24   | Tricky101: anti social lil shit
218764 | Zig:24   | shadowrider38: hah
218764 | Zig:24   | shadowrider38: i have irl friends that play dcss
218764 | Zig:24   | Tricky101: same
218764 | Zig:24   | Tricky101: val
218764 | Zig:24   | Tricky101: my lil bro
218764 | Zig:24   | shadowrider38: but i dont share my rogueliking much with
                  | people
218764 | Zig:24   | shadowrider38: i think its a nerd hobby that should be kept
                  | quiet
218764 | Zig:24   | Tricky101: good theres levels to gaming
218903 | Zig:24   | Tricky101: this is despair
219053 | Zig:24   | Identified the +0 ring mail of Lucidity {rPois rF+ Int+7}
219064 | Zig:24   | Identified the +11 spear "Pituir" {freeze, rN+}
219080 | Zig:24   | Identified the +4 eveningstar "Estreli" {flame, rElec
                  | Int+3}
219081 | Zig:24   | Identified the +10 great sword of the Sky {venom, +Blink
                  | Fly rElec Dex-4}
219090 | Zig:24   | Identified the +1 scimitar of Peukhloty {flame, Fragile
                  | rPois Int+3}
219091 | Zig:24   | Tricky101: lowest lvl of hell
219091 | Zig:24   | shadowrider38: lol
219093 | Zig:24   | Identified the +1 robe of Absolutism {rF+ Dex+3}
219094 | Zig:24   | Identified the +11 great sword "Guaroc" {venom, rN+ rCorr
                  | Int-3}
219095 | Zig:24   | Identified the +3 rapier of Turmoil {flame, rN+++ Str+2
                  | Int+2}
219105 | Zig:24   | Identified the amulet "Byff" {Spirit rF+}
219106 | Zig:24   | Tricky101: where they will respond with do u need help
219110 | Zig:24   | Identified the staff of poison "Ramiottoc" {rPois Str+3
                  | Int+4 Dex-4 SInv}
219113 | Zig:24   | Identified the +1 quarterstaff of Action {elec, rF- Str+4}
219114 | Zig:24   | Identified the +7 flail "Jogoum" {protect, rC+}
219141 | Zig:24   | Identified the amulet of the Traitor {Faith rPois rF- Str+5
                  | Stlth+}
219215 | Zig:24   | Tricky101: not with the game with finding a therapist
219286 | Zig:24   | shadowrider38: who is they
219287 | Zig:25   | Entered Level 25 of a ziggurat
219295 | Zig:25   | Tricky101: people you tell you like retro rougue likes
219300 | Zig:25   | shadowrider38: ah
219300 | Zig:25   | shadowrider38: i only tell if they ask and dig deep
219300 | Zig:25   | shadowrider38: some of my friends deep dived me
219300 | Zig:25   | shadowrider38: for some reaso
219300 | Zig:25   | shadowrider38: and found out everything
219338 | Zig:25   | Tricky101: this is like the equivilent of enjoying furry
                  | futa incest hentai....
219353 | Zig:25   | Identified the ring "Oruovas" {rF+ rC- Str+6 Int+4 Slay+5}
219599 | Zig:25   | shadowrider38: lol what the
219599 | Zig:25   | Tricky101: this is the bottom of the barrel'
219599 | Zig:25   | Tricky101: of gaming
219599 | Zig:25   | shadowrider38: i dont think those are comparable
219599 | Zig:25   | Tricky101: in their own spheres
219599 | Zig:25   | Tricky101: yes
219599 | Zig:25   | Tricky101: they really are
219599 | Zig:25   | shadowrider38: as much as i clown on roguelikes there are
                  | worse things out there
219599 | Zig:25   | Tricky101: not rougue likes
219599 | Zig:25   | Tricky101: these rougue likes
219599 | Zig:25   | Tricky101: retro
219599 | Zig:25   | shadowrider38: for one theres furry futa incest hentai
                  | games...
219603 | Zig:25   | Identified the +11 dagger of the Leaping Gods {elec, Dex+3}
219609 | Zig:25   | Identified the +0 robe of Vesautoo {Contam rF- Stlth+
                  | Archmagi}
219610 | Zig:25   | shadowrider38: also if you consider this retro
219610 | Zig:25   | shadowrider38: i used to hardcore nethack and other ones
                  | during covid
219610 | Zig:25   | Identified the ring "Trusted Companion" {rC+ rN+ Will+++
                  | Str-2}
219622 | Zig:25   | Identified the staff of air "Loluzagh" {rElec Int+3}
219623 | Zig:25   | Identified the +8 long sword of Emunled {spect, rN+ Will++}
219629 | Zig:25   | Identified the staff of earth "Lecati Ostru" {rC+}
219636 | Zig:25   | Identified the staff of fire "Tuuw" {rF+ MP+9}
219637 | Zig:25   | Tricky101: indeed.... and trust me this game has a similar
                  | player count and you def dont download on your main steam
                  | profile
219666 | Zig:25   | Identified the +9 quarterstaff of Dotuch {flame, Str+6}
219671 | Zig:25   | Identified the +1 leather armour of Dophuh {MP+9}
219678 | Zig:25   | Identified the +10 dire flail of Conservatism {heavy,
                  | rPois}
219679 | Zig:25   | Identified the staff of earth "Qulattem" {Str+2}
219681 | Zig:25   | Identified the staff of death "Sica" {+Blink rElec rPois
                  | rN+ Str-3}
219684 | Zig:25   | Identified the +3 arbalest of Juqem {antimagic, Str+2}
219689 | Zig:25   | Identified the +2 falchion of Doodiuwo {freeze, rPois
                  | Dex+2}
219737 | Zig:25   | Tricky101: i thought i was the boomer
220046 | Zig:25   | Tricky101: .....
220081 | Zig:25   | Identified the staff of earth "Tado Vot" {rN+}
220082 | Zig:25   | Identified the +0 ring mail of a Thousand People {rCorr}
220083 | Zig:25   | shadowrider38: LOL
220158 | Zig:26   | Entered Level 26 of a ziggurat
220168 | Zig:26   | Noticed a dread lich
220170 | Zig:26   | Killed a dread lich
220175 | Zig:26   | Tricky101: XD
220176 | Zig:26   | Tricky101: they are similar in their own spheres
220184 | Zig:26   | Tricky101: uh oh
220184 | Zig:26   | Tricky101: .....
220184 | Zig:26   | shadowrider38: oop
220184 | Zig:26   | Tricky101: stinky
220184 | Zig:26   | shadowrider38: i was not in lich form
220200 | Zig:26   | Tricky101: its ok we like a challenge and you have 350k
                  | gold to pot out your mind
220203 | Zig:26   | shadowrider38: true dat
220205 | Zig:26   | Tricky101: you could melee this if u wanted... lets be real
220207 | Zig:26   | Tricky101: harder
220215 | Zig:26   | Tricky101: but still not that risky
220729 | Zig:26   | Identified the +6 fire dragon scales of the Lizard {rF++
                  | rC- rN+}
220730 | Zig:26   | Identified the ring of Nuits {Wiz rF+ Will+}
220736 | Zig:26   | Identified the amulet "Nischiaf" {Faith Fragile Will+
                  | Str+3}
220739 | Zig:26   | Identified the +3 trident "Mulul" {drain, rF+ Dex+3}
220746 | Zig:26   | Identified the +9 flail of Akabaol {flame, *Rage rCorr
                  | Str+9 Int-3}
220750 | Zig:26   | Identified the staff of earth "Kima" {rN++ Will+ Str+2
                  | Int-5}
220754 | Zig:26   | Identified the ring "Caposh" {rElec AC+4 SInv}
220759 | Zig:26   | Identified the +8 dagger of an ossuary {flame, rN+ Int+4}
220761 | Zig:26   | Identified the +1 scimitar of Yjoaxil {holy, rElec Will-
                  | MP+9 Str+6}
220772 | Zig:26   | Identified the +7 plate armour "Ciyr" {Dex+4}
220937 | Zig:26   | shadowrider38: yeah
220937 | Zig:26   | shadowrider38: although i think when i get to the full ones
220937 | Zig:26   | shadowrider38: the easier levels get easier
220937 | Zig:26   | shadowrider38: but the harder ones get way hard
220939 | Zig:27   | Entered Level 27 of a ziggurat
220947 | Zig:27   | Tricky101: AXE go burrr
221189 | Zig:27   | Identified the +4 war axe of Olipribri {antimagic, Str+2}
221209 | Zig:27   | Identified the staff of death "Jolloe" {rElec rPois rN+}
221215 | Zig:27   | Identified the +12 sling of Flawed Execution {heavy, Str+3
                  | Dex+4}
221217 | Zig:27   | Identified the +8 dagger of Goblanif {holy, Str+5 Dex-4}
221231 | Zig:27   | Identified the +1 ice dragon scales of Tanur {-Cast rElec
                  | rF- rC++ Will+}
221237 | Zig:27   | Identified the +4 hand axe of the Twisting Oracle {pain,
                  | rCorr Stlth+}
221245 | Zig:27   | Identified the staff of poison "Qyaf" {rPois rN++ MP+9
                  | Str-3 Stlth+}
221255 | Zig:27   | Identified the +8 plate armour "Janemmal" {Rampage +Blink
                  | rC- Regen+}
221261 | Zig:27   | Identified the +5 mace "Xuexkoa" {drain, rN+ Dex+5}
221271 | Zig:27   | Identified the +1 shortbow of Gaeqics {heavy, Dex+3}
221776 | Zig:27   | Tricky101: when u gonna go SPRA
221915 | Depths:1 | Tricky101: ranger go brr
221915 | Depths:1 | shadowrider38: spra?
221925 | Depths:1 | Tricky101: im half asleep
221925 | Depths:1 | Tricky101: XD
221931 | Depths:1 | shadowrider38: what
221931 | Depths:1 | shadowrider38: im confused
221931 | Depths:1 | shadowrider38: lol
221931 | Depths:1 | Tricky101: i jsut like turning spriggans and demigods into
                  | AC-130 gunships
221931 | Depths:1 | Tricky101: hunter
221931 | Depths:1 | shadowrider38: how do you turn a spriggan into an ac
                  | gunship
221931 | Depths:1 | shadowrider38: pls enlighten me
221931 | Depths:1 | Tricky101: Dex stack and go Oku
221934 | Depths:1 | shadowrider38: how does that make ac
221934 | Depths:1 | Tricky101: .....
221935 | Depths:1 | Tricky101: your not from the us?
221947 | Depths:1 | Tricky101: do you not know what a ac-130 gunship is
221947 | Depths:1 | shadowrider38: oh
221947 | Depths:1 | shadowrider38: that one flew over my head
221947 | Depths:1 | Tricky101: BBBBBBBBBBBBRRRRRRRRRRRRRRRRRRRRRRRRRRRR
221947 | Depths:1 | shadowrider38: sorry im in the dcss mindset
221947 | Depths:1 | Tricky101: nerd
221947 | Depths:1 | shadowrider38: LOL
221947 | Depths:1 | shadowrider38: i am a valid human being promise
221947 | Depths:1 | shadowrider38: its like a switch
221949 | Zig:1    | Entered Level 1 of a ziggurat
222085 | Zig:2    | Entered Level 2 of a ziggurat
222248 | Zig:2    | Identified the ring "Jikaemui" {Wiz rPois Int+6}
222253 | Zig:3    | Entered Level 3 of a ziggurat
222253 | Zig:3    | Noticed Odepp the pandemonium lord
222253 | Zig:3    | Noticed Vitrudah the pandemonium lord
222253 | Zig:3    | Noticed Cisuefap the pandemonium lord
222253 | Zig:3    | Noticed Huwyrph the pandemonium lord
222253 | Zig:3    | Noticed Neet the pandemonium lord
222253 | Zig:3    | Noticed Todoen the pandemonium lord
222254 | Zig:3    | Killed Cisuefap the pandemonium lord
222254 | Zig:3    | Killed Todoen the pandemonium lord
222254 | Zig:3    | Noticed Acvit the pandemonium lord
222255 | Zig:3    | Killed Neet the pandemonium lord
222255 | Zig:3    | Killed Odepp the pandemonium lord
222255 | Zig:3    | Killed Vitrudah the pandemonium lord
222255 | Zig:3    | Killed Huwyrph the pandemonium lord
222255 | Zig:3    | Noticed Kuecvahuhi the pandemonium lord
222255 | Zig:3    | Noticed Uluih the pandemonium lord
222255 | Zig:3    | Noticed Huxoz the pandemonium lord
222257 | Zig:3    | Killed Kuecvahuhi the pandemonium lord
222257 | Zig:3    | Killed Uluih the pandemonium lord
222258 | Zig:3    | Killed Acvit the pandemonium lord
222259 | Zig:3    | Killed Huxoz the pandemonium lord
222456 | Zig:3    | Identified the +8 morningstar "Demonspawn's Peril" {freeze,
                  | rF+ rN+ Str+3 Dex-4 Stlth+}
222487 | Zig:4    | Entered Level 4 of a ziggurat
222636 | Zig:4    | Identified the +4 scimitar of Satyriasis {freeze, rPois
                  | Str-2 Dex+2}
222644 | Zig:4    | Identified the staff of cold "Otsialug" {*Slow rC+ MP+9
                  | Int+9 Stlth-}
222673 | Zig:5    | Entered Level 5 of a ziggurat
222855 | Zig:5    | Identified the staff of conjuration "Asiriav" {rElec rF+
                  | rN+ Stlth-}
222872 | Zig:5    | Identified the staff of air "Guoto" {+Blink rElec Str-3
                  | Int+3}
222901 | Zig:5    | Tricky101: still
222941 | Zig:6    | Entered Level 6 of a ziggurat
222943 | Zig:6    | Tricky101: you should try it some time
223074 | Zig:6    | shadowrider38: i think i have
223074 | Zig:6    | shadowrider38: !won . sp
223074 | Zig:6    | beem: shadowrider38 (sp) has won once in 19 games (5.26%):
                  | 1xSpHu
223161 | Zig:6    | Identified the ring "Hiux" {Drain rC+ rN+ Dex+3 Slay+2}
223165 | Zig:6    | Identified the +3 war axe of Bohoffyz {heavy, rPois Dex+5
                  | Stlth+}
223188 | Zig:6    | Identified the +2 ring mail "Hidyokku" {rN+}
223193 | Zig:6    | Identified the amulet "Taucet" {Acrobat rN+}
223227 | Zig:7    | Entered Level 7 of a ziggurat
223245 | Zig:7    | Tricky101: 19
223345 | Zig:7    | Tricky101: thats it
223355 | Zig:7    | Identified the +10 great sword "Gakopoux" {venom, rF+ Will+
                  | Dex+2 SInv}
223360 | Zig:7    | Identified the +8 flail of Calamity {freeze, rF+ rN+++
                  | Str+3 Dex-3}
223369 | Zig:7    | Identified the +4 quarterstaff "Elomanoh" {freeze, rC-
                  | Str+5}
223371 | Zig:7    | Identified the +6 ring mail of Eternal Night {Slay+3}
223384 | Zig:7    | Identified the +6 whip "Killer Klown's Doom" {freeze,
                  | rCorr}
223534 | Zig:8    | Entered Level 8 of a ziggurat
223535 | Zig:8    | Tricky101: !gp . sp
223539 | Zig:8    | Tricky101: !won . sp
223540 | Zig:8    | beem: Tricky101 (sp) has not won in 1 games.
223543 | Zig:8    | Tricky101: >
223543 | Zig:8    | Tricky101: ?
223544 | Zig:8    | Tricky101: what
223547 | Zig:8    | shadowrider38: lol
223547 | Zig:8    | Tricky101: that isnt right
223547 | Zig:8    | shadowrider38: thats too bad
223547 | Zig:8    | shadowrider38: different account?
223548 | Zig:8    | Tricky101: yea how do i look for another account
223548 | Zig:8    | Tricky101: !won . sp Tricky1
223548 | Zig:8    | beem: No keyword 'Tricky1'
223548 | Zig:8    | shadowrider38: !won Tricky1 sp
223548 | Zig:8    | beem: Tricky1 (sp) has not won in 66 games.
223548 | Zig:8    | shadowrider38: LOL
223548 | Zig:8    | shadowrider38: exposed
223549 | Zig:8    | Tricky101: :)
223556 | Zig:8    | Noticed a dread lich
223560 | Zig:8    | Tricky101: i have nothing to hide
223562 | Zig:8    | Killed a dread lich
223821 | Zig:8    | Tricky101: its a great build
223834 | Zig:8    | Identified the +1 robe of the Doldrums {rPois}
223839 | Zig:8    | Tricky101: im just bad
223847 | Zig:8    | Identified the staff of fire "Tiumudic" {+Blink Fly rF+
                  | Will- Str+2}
223854 | Zig:8    | Identified the ring of the Changing Priest {Fly rF+ rN+
                  | MP+9 Str+3}
223859 | Zig:8    | Identified the +6 dagger of Juxiji {venom, rPois Str+4
                  | Int-4 SInv}
223863 | Zig:8    | Identified the +7 morningstar "Plog" {flame, Int+3 Dex+3
                  | Stlth+}
223886 | Zig:9    | Entered Level 9 of a ziggurat
223886 | Zig:9    | Noticed a juggernaut
223886 | Zig:9    | Noticed a juggernaut
223886 | Zig:9    | Noticed a juggernaut
223887 | Zig:9    | Killed a juggernaut
223887 | Zig:9    | Killed a juggernaut
223888 | Zig:9    | Noticed a juggernaut
223889 | Zig:9    | Noticed a juggernaut
223890 | Zig:9    | Noticed a juggernaut
223890 | Zig:9    | Noticed a juggernaut
223893 | Zig:9    | Killed a juggernaut
223893 | Zig:9    | Killed a juggernaut
223895 | Zig:9    | Killed a juggernaut
223896 | Zig:9    | Killed a juggernaut
223896 | Zig:9    | Killed a juggernaut
223974 | Zig:9    | Tricky101: !won ViolentViolet sp
223974 | Zig:9    | beem: ViolentViolet (sp) has won 35 times in 302 games
                  | (11.59%): 5xSpBe 3xSpHu 2xSpBr 2xSpHW 2xSpHs 1xSpAE 1xSpAK
                  | 1xSpAr 1xSpCA 1xSpCK 1xSpCj 1xSpDe 1xSpEE 1xSpEn 1xSpFE
                  | 1xSpFi 1xSpGl 1xSpIE 1xSpMo 1xSpNe 1xSpRe 1xSpSu 1xSpTm
                  | 1xSpVM 1xSpWn 1xSpWr
223974 | Zig:9    | shadowrider38: it is indeed
223974 | Zig:9    | shadowrider38: wew
223995 | Zig:9    | Identified the +7 scimitar of the Nine Wars {flame, Will+}
224016 | Zig:9    | Identified the +5 quarterstaff "Beetlebane" {flame, Fly
                  | rPois rCorr Dex+3}
224239 | Zig:10   | Entered Level 10 of a ziggurat
224244 | Zig:10   | Tricky101: wew
224529 | Zig:10   | Identified the +4 shortbow of the Wraith {freeze, Fragile
                  | Dex+4 SInv}
224530 | Zig:10   | Identified the staff of earth "Xofer" {Dex+3}
224531 | Zig:10   | Identified the +0 falchion "Impslayer" {freeze, *Corrode
                  | rPois Int-3 Stlth+}
224534 | Zig:10   | Identified the ring of Doujanag {rElec rF+ Slay+2}
224541 | Zig:10   | Identified the staff of earth "Geluo" {Str+2}
224567 | Zig:11   | Entered Level 11 of a ziggurat
224894 | Zig:11   | Identified the +6 flail "Parymp" {holy, rC+++ rN+ Dex+3
                  | Stlth-}
224987 | Zig:12   | Entered Level 12 of a ziggurat
224987 | Zig:12   | Noticed a dread lich
224987 | Zig:12   | Noticed an ancient lich
224987 | Zig:12   | Noticed a dread lich
224987 | Zig:12   | Noticed a dread lich
224987 | Zig:12   | Noticed an ancient lich
224987 | Zig:12   | Noticed a dread lich
224987 | Zig:12   | Noticed an ancient lich
224987 | Zig:12   | Noticed an ancient lich
224987 | Zig:12   | Noticed an ancient lich
224987 | Zig:12   | Noticed an ancient lich
224987 | Zig:12   | Noticed an ancient lich
224987 | Zig:12   | Noticed a dread lich
224988 | Zig:12   | Noticed a dread lich
224988 | Zig:12   | Noticed a dread lich
224988 | Zig:12   | Noticed an ancient lich
224989 | Zig:12   | Noticed a dread lich
224989 | Zig:12   | Noticed an ancient lich
224991 | Zig:12   | Killed a dread lich
224991 | Zig:12   | Killed a dread lich
224991 | Zig:12   | Killed a dread lich
224991 | Zig:12   | Killed an ancient lich
224991 | Zig:12   | Killed a dread lich
224991 | Zig:12   | Killed a dread lich
224991 | Zig:12   | Killed a dread lich
224991 | Zig:12   | Killed an ancient lich
224991 | Zig:12   | Killed an ancient lich
224992 | Zig:12   | Noticed an ancient lich
224992 | Zig:12   | Noticed an ancient lich
224992 | Zig:12   | Noticed an ancient lich
224992 | Zig:12   | Noticed an ancient lich
224993 | Zig:12   | Noticed a dread lich
224993 | Zig:12   | Killed a dread lich
224993 | Zig:12   | Noticed an ancient lich
224994 | Zig:12   | Noticed a dread lich
224994 | Zig:12   | Noticed a dread lich
224994 | Zig:12   | Noticed a dread lich
224994 | Zig:12   | Killed an ancient lich
224994 | Zig:12   | Killed an ancient lich
224994 | Zig:12   | Noticed a dread lich
224994 | Zig:12   | Noticed a dread lich
224995 | Zig:12   | Noticed an ancient lich
224995 | Zig:12   | Noticed an ancient lich
224995 | Zig:12   | Noticed a dread lich
224995 | Zig:12   | Killed an ancient lich
224995 | Zig:12   | Killed an ancient lich
224995 | Zig:12   | Killed an ancient lich
224995 | Zig:12   | Killed a dread lich
224995 | Zig:12   | Noticed a dread lich
224996 | Zig:12   | Noticed a dread lich
224996 | Zig:12   | Noticed an ancient lich
224996 | Zig:12   | Noticed an ancient lich
224996 | Zig:12   | Noticed an ancient lich
224996 | Zig:12   | Noticed an ancient lich
224996 | Zig:12   | Killed an ancient lich
224996 | Zig:12   | Killed an ancient lich
224996 | Zig:12   | Killed an ancient lich
224996 | Zig:12   | Noticed an ancient lich
224997 | Zig:12   | Killed a dread lich
224998 | Zig:12   | Killed a dread lich
224998 | Zig:12   | Killed an ancient lich
224998 | Zig:12   | Killed an ancient lich
224998 | Zig:12   | Killed an ancient lich
224998 | Zig:12   | Killed a dread lich
224998 | Zig:12   | Killed a dread lich
224998 | Zig:12   | Killed a dread lich
224998 | Zig:12   | Killed a dread lich
224998 | Zig:12   | Killed a dread lich
224998 | Zig:12   | Killed a dread lich
224998 | Zig:12   | Killed a dread lich
224998 | Zig:12   | Killed an ancient lich
224998 | Zig:12   | Noticed an ancient lich
225000 | Zig:12   | Noticed an ancient lich
225000 | Zig:12   | Noticed an ancient lich
225001 | Zig:12   | Killed an ancient lich
225003 | Zig:12   | Killed an ancient lich
225003 | Zig:12   | Killed an ancient lich
225003 | Zig:12   | Killed an ancient lich
225003 | Zig:12   | Killed an ancient lich
225003 | Zig:12   | Killed an ancient lich
225003 | Zig:12   | Killed an ancient lich
225003 | Zig:12   | Killed an ancient lich
225006 | Zig:12   | Killed an ancient lich
225299 | Zig:12   | Identified the +9 broad axe "Siyg Iriu" {freeze, rPois}
225308 | Zig:12   | Identified the staff of death "Hoream" {rN+ Int+3}
225310 | Zig:12   | Identified the ring "Itaen" {rPois rN+ Str+3}
225311 | Zig:12   | Identified the staff of earth "Iruaxzose" {rC- Str+2 Int+2
                  | SInv}
225335 | Zig:13   | Entered Level 13 of a ziggurat
225359 | Zig:13   | Noticed Vute the pandemonium lord
225361 | Zig:13   | Killed Vute the pandemonium lord
225708 | Zig:13   | Identified the +2 robe of the Shore {rElec}
225709 | Zig:13   | Identified the ring "Fienos" {rElec Will+ Int+3 Stlth+}
225710 | Zig:13   | Identified the amulet "Dotteil" {Acrobat rN+}
225718 | Zig:13   | Identified the amulet of the Garden {Spirit Contam rElec
                  | rPois}
225722 | Zig:13   | Identified the amulet of the Heron {rElec Regen+ Dex+2}
225733 | Zig:13   | Identified the +3 dagger of Accord {flame, rPois rF+ Int-2
                  | Stlth+}
225734 | Zig:13   | Identified the staff of earth "Xashrapp" {rPois rCorr Str+3
                  | Int+5}
225738 | Zig:13   | Identified the +6 rapier of Greed {drain, Str+4 Int+2}
225739 | Zig:13   | Identified the +5 battleaxe of the Soothsayer {elec, rF+++
                  | rCorr Int-5 Dex+3}
225741 | Zig:13   | Identified the ring "Durev" {+Blink rF+ rN++ Stlth-}
225766 | Zig:13   | Identified the staff of earth "Izyts" {rElec rN+ Stlth+}
225775 | Zig:14   | Entered Level 14 of a ziggurat
225775 | Zig:14   | Noticed an ancient lich
225775 | Zig:14   | Noticed an ancient lich
225775 | Zig:14   | Noticed an ancient lich
225775 | Zig:14   | Noticed a dread lich
225775 | Zig:14   | Noticed an ancient lich
225775 | Zig:14   | Noticed an ancient lich
225775 | Zig:14   | Noticed a dread lich
225775 | Zig:14   | Noticed a dread lich
225775 | Zig:14   | Noticed a dread lich
225775 | Zig:14   | Noticed a dread lich
225775 | Zig:14   | Noticed an ancient lich
225775 | Zig:14   | Noticed an ancient lich
225775 | Zig:14   | Noticed a dread lich
225776 | Zig:14   | Noticed an ancient lich
225776 | Zig:14   | Noticed a dread lich
225776 | Zig:14   | Noticed an ancient lich
225776 | Zig:14   | Noticed an ancient lich
225777 | Zig:14   | Killed an ancient lich
225777 | Zig:14   | Killed an ancient lich
225777 | Zig:14   | Killed an ancient lich
225777 | Zig:14   | Killed an ancient lich
225777 | Zig:14   | Killed an ancient lich
225777 | Zig:14   | Killed a dread lich
225777 | Zig:14   | Killed a dread lich
225777 | Zig:14   | Killed a dread lich
225777 | Zig:14   | Killed an ancient lich
225777 | Zig:14   | Killed a dread lich
225779 | Zig:14   | Killed an ancient lich
225780 | Zig:14   | Noticed an ancient lich
225780 | Zig:14   | Noticed an ancient lich
225780 | Zig:14   | Noticed a dread lich
225780 | Zig:14   | Noticed a dread lich
225780 | Zig:14   | Noticed a dread lich
225780 | Zig:14   | Killed an ancient lich
225781 | Zig:14   | Noticed a dread lich
225781 | Zig:14   | Noticed an ancient lich
225781 | Zig:14   | Killed a dread lich
225782 | Zig:14   | Noticed an ancient lich
225782 | Zig:14   | Noticed an ancient lich
225782 | Zig:14   | Noticed an ancient lich
225782 | Zig:14   | Killed a dread lich
225782 | Zig:14   | Killed an ancient lich
225782 | Zig:14   | Noticed a dread lich
225784 | Zig:14   | Noticed a dread lich
225784 | Zig:14   | Killed a dread lich
225784 | Zig:14   | Killed a dread lich
225784 | Zig:14   | Killed an ancient lich
225785 | Zig:14   | Killed a dread lich
225785 | Zig:14   | Killed a dread lich
225785 | Zig:14   | Killed a dread lich
225785 | Zig:14   | Killed a dread lich
225785 | Zig:14   | Killed an ancient lich
225785 | Zig:14   | Killed an ancient lich
225785 | Zig:14   | Killed an ancient lich
225785 | Zig:14   | Killed an ancient lich
225785 | Zig:14   | Killed an ancient lich
225787 | Zig:14   | Noticed a dread lich
225791 | Zig:14   | Killed a dread lich
225791 | Zig:14   | Killed a dread lich
225792 | Zig:14   | Killed an ancient lich
225877 | Zig:14   | Identified the amulet "Heunorolaps" {Faith rF+ Will+ rCorr}
225883 | Zig:14   | Identified the +4 short sword "Sixkion" {venom, rC+}
226104 | Zig:14   | Acquired 888 gold pieces
226106 | Zig:14   | Acquired 1147 gold pieces
226112 | Zig:14   | Identified the staff of conjuration "Kusiapiq" {+Blink
                  | rPois Str-2 Int+4}
226114 | Zig:14   | Identified the staff of air "Viuhuex" {Fragile +Blink rElec
                  | Int+6 SInv}
226115 | Zig:14   | Identified the ring "Ceqiytyrost" {Int+4 Dex+6}
226136 | Zig:14   | Acquired 963 gold pieces
226143 | Zig:14   | Identified the +3 dire flail of the Brewing Gods {holy,
                  | rC+++}
226146 | Zig:14   | Identified the ring "Fedeo" {Drain rF+ rCorr Str+2}
226171 | Zig:14   | Identified the ring of Leaves {+Blink rF+ Int+3}
226188 | Zig:15   | Entered Level 15 of a ziggurat
226386 | Zig:15   | Identified the +9 short sword "Fajic" {heavy, rN+ Int+5
                  | Stlth+}
226387 | Zig:15   | Identified the ring "Durab" {rPois Str+2}
226394 | Zig:15   | Identified the ring of the Komtur {Fire rElec Will+ Int+3}
226395 | Zig:15   | shadowrider38: what time zone are you in
226396 | Zig:15   | Identified the staff of air "Zijeklonk" {rElec Str+5}
226399 | Zig:15   | Identified the +6 shortbow of Mastery {freeze, rF++}
226407 | Zig:15   | Tricky101: est
226669 | Zig:15   | Identified the staff of cold "Reiwniof" {rC+ Will++ Int+2}
226675 | Zig:15   | shadowrider38: why are you awake rn
226676 | Zig:16   | Entered Level 16 of a ziggurat
226677 | Zig:16   | Tricky101: im at work
226677 | Zig:16   | shadowrider38: wut
226677 | Zig:16   | Tricky101: bruh i cant sleep till 9pm tonight
226677 | Zig:16   | shadowrider38: what kind of job is this
226681 | Zig:16   | Tricky101: Im a control system guy
226697 | Zig:16   | shadowrider38: oh
226697 | Zig:16   | shadowrider38: thats
226697 | Zig:16   | shadowrider38: wouldnt be me personally
226697 | Zig:16   | Tricky101: ?
226697 | Zig:16   | shadowrider38: the working at this hour
227015 | Zig:16   | Tricky101: i make 43+ hr idgaf
227151 | Zig:16   | Identified the ring "Soyg Gaiz" {Ice Fly rElec rN+++ Int-5}
227152 | Zig:16   | Tricky101: im banking
227152 | Zig:16   | Identified the amulet of Ascent {RegenMP Harm rC+ Str+2
                  | Dex+3}
227164 | Zig:16   | Identified the +6 dagger "Foskelik" {flame, Str+4}
227236 | Zig:16   | shadowrider38: pretty nice
227236 | Zig:16   | shadowrider38: if it works for you then more power
227236 | Zig:16   | shadowrider38: i just couldnt bring myself to do it
227237 | Zig:17   | Entered Level 17 of a ziggurat
227239 | Zig:17   | Tricky101: pussy
227248 | Zig:17   | Tricky101: like i said ima be up till 9 tomorrow im fucked
227248 | Zig:17   | shadowrider38: yeah see its like that
227248 | Zig:17   | shadowrider38: that sounds unfun
227248 | Zig:17   | Tricky101: it is
227248 | Zig:17   | Tricky101: but
227252 | Zig:17   | Tricky101: i couldnt re schedlue the tattoo
227450 | Zig:17   | Identified the staff of conjuration "Dipun" {rPois Int-3
                  | Dex-4 Stlth+}
227458 | Zig:17   | Identified the staff of cold "Motselae" {rC+ rCorr Dex+2
                  | SInv}
227465 | Zig:17   | Identified the +7 sling of Jath {drain, rF+ rN+}
227468 | Zig:17   | Identified the +12 dagger of Resourcefulness {flame, rElec
                  | Str+3}
227667 | Zig:17   | Tricky101: cause im moving
227789 | Zig:17   | shadowrider38: busy point in your life
227791 | Zig:18   | Entered Level 18 of a ziggurat
227791 | Zig:18   | Identified the +7 tower shield "Boter" {Dex+3 Stlth+}
227791 | Zig:18   | Noticed an ancient lich
227792 | Zig:18   | shadowrider38: ah no
227792 | Zig:18   | Tricky101: i have slept a toal of 16 hours in the past 5
                  | days
227795 | Zig:18   | Tricky101: that is a understatement
227799 | Zig:18   | shadowrider38: wew
227799 | Zig:18   | shadowrider38: dont try to compete w me for bad sleep tho
227799 | Zig:18   | shadowrider38: i have yet to meet someone with better stats
                  | than me
227799 | Zig:18   | shadowrider38: or worse (?)
227801 | Zig:18   | Killed an ancient lich
228228 | Zig:18   | Identified the +6 battleaxe of Entei {venom, rPois Str+3}
228230 | Zig:18   | Identified the +4 ring mail "Weasab" {rF+ Str+2 Dex+3}
228243 | Zig:18   | Identified the +5 lajatang "Duhesal" {spect, MP+9}
228261 | Zig:18   | Identified the +8 hand axe of Perfectionism {holy, Str+5}
228286 | Zig:18   | Tricky101: better than 16hrs a week
228288 | Zig:19   | Entered Level 19 of a ziggurat
228300 | Zig:19   | shadowrider38: nope
228304 | Zig:19   | Tricky101: then i win
228305 | Zig:19   | Tricky101: XD
228305 | Zig:19   | shadowrider38: wait im confused
228305 | Zig:19   | shadowrider38: my sleep is worse than 16hrs a week
228305 | Zig:19   | Tricky101: ........
228305 | Zig:19   | shadowrider38: also are you doing 16 every week
228305 | Zig:19   | Tricky101: jesus
228305 | Zig:19   | shadowrider38: what prompts that
228307 | Zig:19   | Tricky101: work
228308 | Zig:19   | shadowrider38: what the
228308 | Zig:19   | Tricky101: interviews
228308 | Zig:19   | shadowrider38: you do this every single day
228308 | Zig:19   | Tricky101: yes
228308 | Zig:19   | shadowrider38: i could not live with mylsef
228308 | Zig:19   | shadowrider38: burnt out by the end of the first few months
228308 | Zig:19   | Tricky101: well the past month
228321 | Zig:19   | Tricky101: its nothing new
228465 | Zig:19   | Identified the +1 glaive "Doisch" {elec, *Rage +Blink Int+9
                  | Stlth+}
228466 | Zig:19   | Tricky101: but im gonna hibernate fora full day
228466 | Zig:19   | Identified the +0 scimitar "Moakux" {heavy, rPois rC+++
                  | Int+2}
228488 | Zig:19   | Identified the staff of earth "Doskol" {rElec rC+ Int-5
                  | Dex+3}
228496 | Zig:19   | Identified the +11 great sword "Ucwuhuis" {heavy, Will+
                  | Str+4}
228521 | Zig:19   | Identified the +10 great mace of Moral Flaws {pain, Dex+3}
228522 | Zig:19   | Identified the +0 leather armour of Impermeability {rPois
                  | Str+4}
228523 | Zig:19   | Tricky101: when i get home tonight
228523 | Zig:19   | Identified the staff of death "Zuujux" {rN+ Dex+5}
228554 | Zig:19   | Identified the +10 battleaxe "Romepem" {heavy, rElec rCorr}
228560 | Zig:19   | Identified the +0 plate armour "Vyxamin" {rC+ rCorr Str-3
                  | Int+3}
228854 | Zig:19   | Identified the ring "Guer" {Ice Str+6 Int-4}
228856 | Zig:19   | shadowrider38: real
228860 | Zig:19   | Tricky101: but na
228862 | Zig:20   | Entered Level 20 of a ziggurat
228865 | Zig:20   | Noticed a dread lich
228869 | Zig:20   | Tricky101: its mainly cause i work 7-6
228872 | Zig:20   | Killed a dread lich
228873 | Zig:20   | Tricky101: at night
229016 | Zig:20   | Tricky101: and interviews and shit is like at noon
229360 | Zig:20   | Identified the +0 hand axe of Caustic Absolution {freeze,
                  | rC+}
229361 | Zig:20   | Identified the ring of Neihudua {rPois Dex+3 Slay-6 SInv}
229387 | Zig:20   | Identified the +7 great sword of Beogh, Teaching {flame,
                  | Int+2}
229391 | Zig:20   | Identified the +11 mace of Hofea {heavy, Contam rC+++ rCorr
                  | MP+9}
229463 | Zig:21   | Entered Level 21 of a ziggurat
229469 | Zig:21   | Tricky101: so i go to bed at 8-9 wake up at 12-1
229612 | Zig:21   | shadowrider38: yeesh
229692 | Zig:21   | Identified the ring "Bumubiq" {Fire *Corrode rPois Will+
                  | Dex+4}
229693 | Zig:21   | shadowrider38: when do you have time for anything else
229693 | Zig:21   | shadowrider38: or you dont
229697 | Zig:21   | Identified the +5 shortbow "Xotiteg" {drain, Fragile Fly
                  | Dex+2}
229877 | Zig:21   | Tricky101: after i finish interviews i chill with val
229977 | Zig:21   | Tricky101: until work
230066 | Zig:21   | Tricky101: or get shit done
230154 | Zig:22   | Entered Level 22 of a ziggurat
230158 | Zig:22   | Tricky101: then rinse repeat
230197 | Zig:22   | Identified the +7 shortbow of Dividends {elec, rCorr}
230200 | Zig:22   | Identified the +3 longbow of the Abyss {freeze, rElec}
230304 | Zig:22   | shadowrider38: i know i keep saying it but man
230304 | Zig:22   | shadowrider38: no amount of pay making me do that
230337 | Zig:22   | Tricky101: but how can you say that when u get less sleep
                  | than me
230624 | Zig:22   | Tricky101: ....
230698 | Zig:22   | shadowrider38: sometimes its less sometimes its more
230698 | Zig:22   | shadowrider38: i am holistically bad
230698 | Zig:22   | shadowrider38: ive gone a month sleeping from
230698 | Zig:22   | shadowrider38: 6am to 9pm
230698 | Zig:22   | Tricky101: its also hard to sleep with daylight
230698 | Zig:22   | shadowrider38: every single day
230698 | Zig:22   | Tricky101: im also ex military so im used to this shit
230698 | Zig:22   | shadowrider38: recently i go 6am-8am
230698 | Zig:22   | shadowrider38: ah i se
230698 | Zig:22   | Tricky101: caffine and nicotine
230698 | Zig:22   | shadowrider38: see
230698 | Zig:22   | shadowrider38: that follows
230698 | Zig:22   | Tricky101: is all i need
230723 | Zig:22   | shadowrider38: that was the explanation i was looking for
230749 | Zig:22   | Identified the +4 long sword "Faof" {heavy, rPois rC-
                  | Will++ Int+2}
230760 | Zig:22   | Identified the +8 dire flail of the Abyss {venom, Fly rElec
                  | rC- SInv}
230768 | Zig:22   | Identified the +1 cloak of Nyilab {Int+5 Slay+5}
230769 | Zig:22   | Identified the +9 mace "Noes" {drain, +Blink rCorr Stlth-}
230772 | Zig:22   | Identified the +1 glaive of Meos {drain, Dex+6}
230776 | Zig:22   | shadowrider38: thank you for serving our country o7
230790 | Zig:22   | Identified the +1 robe "Qyrchesch" {*Slow +Blink rF+ Dex+6}
230791 | Zig:22   | Identified the +1 scale mail of Imeppips {rElec rF+ Int-2}
230852 | Zig:23   | Entered Level 23 of a ziggurat
230852 | Zig:23   | Noticed a juggernaut
230852 | Zig:23   | Noticed a juggernaut
230852 | Zig:23   | Noticed a juggernaut
230852 | Zig:23   | Noticed a juggernaut
230852 | Zig:23   | Noticed a juggernaut
230852 | Zig:23   | Noticed a juggernaut
230852 | Zig:23   | Noticed a juggernaut
230853 | Zig:23   | Noticed a juggernaut
230853 | Zig:23   | Noticed a juggernaut
230854 | Zig:23   | Noticed a juggernaut
230854 | Zig:23   | Noticed a juggernaut
230854 | Zig:23   | Noticed a juggernaut
230855 | Zig:23   | Killed a juggernaut
230855 | Zig:23   | Killed a juggernaut
230855 | Zig:23   | Killed a juggernaut
230855 | Zig:23   | Killed a juggernaut
230855 | Zig:23   | Killed a juggernaut
230855 | Zig:23   | Killed a juggernaut
230855 | Zig:23   | Killed a juggernaut
230855 | Zig:23   | Killed a juggernaut
230856 | Zig:23   | Noticed a juggernaut
230856 | Zig:23   | Tricky101: thanks for paying my travel around europe
230856 | Zig:23   | Killed a juggernaut
230856 | Zig:23   | Killed a juggernaut
230856 | Zig:23   | Killed a juggernaut
230856 | Zig:23   | Killed a juggernaut
230857 | Zig:23   | Noticed a juggernaut
230857 | Zig:23   | Noticed a juggernaut
230858 | Zig:23   | Noticed a juggernaut
230858 | Zig:23   | Noticed a juggernaut
230858 | Zig:23   | Noticed a juggernaut
230859 | Zig:23   | Noticed a juggernaut
230859 | Zig:23   | Noticed a juggernaut
230859 | Zig:23   | Killed a juggernaut
230859 | Zig:23   | Killed a juggernaut
230859 | Zig:23   | Killed a juggernaut
230859 | Zig:23   | Noticed a juggernaut
230859 | Zig:23   | Noticed a juggernaut
230860 | Zig:23   | Noticed a juggernaut
230860 | Zig:23   | Noticed a juggernaut
230860 | Zig:23   | Noticed a juggernaut
230860 | Zig:23   | Noticed a juggernaut
230860 | Zig:23   | Noticed a juggernaut
230860 | Zig:23   | Noticed a juggernaut
230861 | Zig:23   | Noticed a juggernaut
230861 | Zig:23   | Killed a juggernaut
230861 | Zig:23   | Killed a juggernaut
230861 | Zig:23   | Killed a juggernaut
230861 | Zig:23   | Killed a juggernaut
230861 | Zig:23   | Killed a juggernaut
230861 | Zig:23   | Killed a juggernaut
230862 | Zig:23   | Noticed a juggernaut
230862 | Zig:23   | Noticed a juggernaut
230862 | Zig:23   | Noticed a juggernaut
230862 | Zig:23   | Killed a juggernaut
230862 | Zig:23   | Killed a juggernaut
230862 | Zig:23   | Killed a juggernaut
230862 | Zig:23   | Killed a juggernaut
230862 | Zig:23   | Killed a juggernaut
230862 | Zig:23   | Killed a juggernaut
230862 | Zig:23   | Killed a juggernaut
230862 | Zig:23   | Noticed a juggernaut
230863 | Zig:23   | Noticed a juggernaut
230864 | Zig:23   | Noticed a juggernaut
230865 | Zig:23   | Noticed a juggernaut
230865 | Zig:23   | Noticed a juggernaut
230865 | Zig:23   | Killed a juggernaut
230865 | Zig:23   | Noticed a juggernaut
230867 | Zig:23   | Killed a juggernaut
230867 | Zig:23   | Killed a juggernaut
230867 | Zig:23   | Killed a juggernaut
230867 | Zig:23   | Killed a juggernaut
230867 | Zig:23   | Killed a juggernaut
230867 | Zig:23   | Killed a juggernaut
230867 | Zig:23   | Noticed a juggernaut
230868 | Zig:23   | Noticed a juggernaut
230868 | Zig:23   | Noticed a juggernaut
230868 | Zig:23   | Noticed a juggernaut
230869 | Zig:23   | Killed a juggernaut
230869 | Zig:23   | Killed a juggernaut
230869 | Zig:23   | Noticed a juggernaut
230869 | Zig:23   | Noticed a juggernaut
230870 | Zig:23   | Noticed a juggernaut
230870 | Zig:23   | Noticed a juggernaut
230871 | Zig:23   | Killed a juggernaut
230871 | Zig:23   | Killed a juggernaut
230872 | Zig:23   | Noticed a juggernaut
230872 | Zig:23   | Noticed a juggernaut
230872 | Zig:23   | Noticed a juggernaut
230873 | Zig:23   | Killed a juggernaut
230873 | Zig:23   | Killed a juggernaut
230873 | Zig:23   | Killed a juggernaut
230873 | Zig:23   | Killed a juggernaut
230873 | Zig:23   | Killed a juggernaut
230873 | Zig:23   | Noticed a juggernaut
230874 | Zig:23   | Noticed a juggernaut
230875 | Zig:23   | Killed a juggernaut
230875 | Zig:23   | Killed a juggernaut
230875 | Zig:23   | Killed a juggernaut
230875 | Zig:23   | Killed a juggernaut
230875 | Zig:23   | Noticed a juggernaut
230876 | Zig:23   | shadowrider38: least i could do
230876 | Zig:23   | Noticed a juggernaut
230877 | Zig:23   | Noticed a juggernaut
230882 | Zig:23   | Killed a juggernaut
230882 | Zig:23   | Killed a juggernaut
230882 | Zig:23   | Killed a juggernaut
230882 | Zig:23   | Killed a juggernaut
230883 | Zig:23   | Killed a juggernaut
230883 | Zig:23   | Killed a juggernaut
231119 | Zig:23   | Identified the +6 short sword of Yredelemnul, Thieving
                  | {spect, *Slow Str+3 SInv}
231123 | Zig:23   | Identified the +0 chain mail of Gozag, Transmuting {rCorr
                  | SInv}
231124 | Zig:23   | Identified the +7 quarterstaff "Nuata" {flame, rC+}
231135 | Zig:23   | Identified the +11 hand axe "Killer Bee's Doom" {flame,
                  | rF+++}
231146 | Zig:23   | Identified the staff of air "Aghettex" {rElec Int+4}
231147 | Zig:23   | Identified the amulet "Pogalen" {Spirit Regen+ Str+3}
231149 | Zig:23   | Identified the ring "Yviss" {rElec rCorr MP+9}
231150 | Zig:23   | Identified the staff of poison "Miokhlig" {rPois rF+ rN+}
231156 | Zig:23   | Identified the staff of fire "Zolomeun" {rPois rF+ rC+
                  | Int+3 Stlth+}
231524 | Zig:24   | Entered Level 24 of a ziggurat
231524 | Zig:24   | Noticed Soen the pandemonium lord
231524 | Zig:24   | Noticed Liqoymed the pandemonium lord
231524 | Zig:24   | Noticed Pecluetz the pandemonium lord
231524 | Zig:24   | Noticed Salittu the pandemonium lord
231524 | Zig:24   | Noticed Pant the pandemonium lord
231524 | Zig:24   | Noticed Gaxzaeh the pandemonium lord
231524 | Zig:24   | Noticed Moagoak the pandemonium lord
231524 | Zig:24   | Noticed Ruamaw the pandemonium lord
231524 | Zig:24   | Noticed Raosy the pandemonium lord
231524 | Zig:24   | Noticed Imesk the pandemonium lord
231524 | Zig:24   | Noticed Ycreant the pandemonium lord
231524 | Zig:24   | Noticed Wyqenaosh the pandemonium lord
231524 | Zig:24   | Noticed Ufron Latu the pandemonium lord
231524 | Zig:24   | Noticed Wiunurgh the pandemonium lord
231524 | Zig:24   | Noticed Yroeduagg the pandemonium lord
231524 | Zig:24   | Noticed Ittytzin the pandemonium lord
231524 | Zig:24   | Noticed Momn the pandemonium lord
231524 | Zig:24   | Noticed Juynyfoif the pandemonium lord
231524 | Zig:24   | Noticed Soronaol the pandemonium lord
231524 | Zig:24   | Noticed Hyeve the pandemonium lord
231524 | Zig:24   | Noticed Ciuwk the pandemonium lord
231524 | Zig:24   | Noticed Rige the pandemonium lord
231524 | Zig:24   | Noticed Hug Vike the pandemonium lord
231524 | Zig:24   | Noticed Nuhuleoback the pandemonium lord
231524 | Zig:24   | Noticed Joam the pandemonium lord
231524 | Zig:24   | Noticed Nusul the pandemonium lord
231525 | Zig:24   | Tricky101: hahahah
231525 | Zig:24   | Killed Pant the pandemonium lord
231525 | Zig:24   | Killed Soen the pandemonium lord
231525 | Zig:24   | Killed Ufron Latu the pandemonium lord
231525 | Zig:24   | Killed Wyqenaosh the pandemonium lord
231525 | Zig:24   | Killed Imesk the pandemonium lord
231525 | Zig:24   | Killed Wiunurgh the pandemonium lord
231525 | Zig:24   | Killed Yroeduagg the pandemonium lord
231525 | Zig:24   | Killed Momn the pandemonium lord
231525 | Zig:24   | Noticed Vitu the pandemonium lord
231526 | Zig:24   | Noticed Zyak the pandemonium lord
231526 | Zig:24   | Tricky101: love that response
231526 | Zig:24   | Killed Hyeve the pandemonium lord
231526 | Zig:24   | Killed Liqoymed the pandemonium lord
231526 | Zig:24   | Noticed Fosaixt the pandemonium lord
231526 | Zig:24   | Noticed Ataadicu the pandemonium lord
231527 | Zig:24   | Noticed Uqyolo the pandemonium lord
231527 | Zig:24   | Killed Ciuwk the pandemonium lord
231527 | Zig:24   | Killed Juynyfoif the pandemonium lord
231527 | Zig:24   | Killed Ycreant the pandemonium lord
231527 | Zig:24   | Killed Soronaol the pandemonium lord
231527 | Zig:24   | Killed Joam the pandemonium lord
231527 | Zig:24   | Killed Salittu the pandemonium lord
231527 | Zig:24   | Killed Hug Vike the pandemonium lord
231527 | Zig:24   | Noticed Weefid the pandemonium lord
231528 | Zig:24   | Killed Nuhuleoback the pandemonium lord
231528 | Zig:24   | Killed Nusul the pandemonium lord
231528 | Zig:24   | Killed Vitu the pandemonium lord
231528 | Zig:24   | Killed Ittytzin the pandemonium lord
231528 | Zig:24   | Killed Fosaixt the pandemonium lord
231528 | Zig:24   | Killed Weefid the pandemonium lord
231528 | Zig:24   | Noticed Quji the pandemonium lord
231528 | Zig:24   | Noticed Ijelim the pandemonium lord
231528 | Zig:24   | Noticed Xyatoroc the pandemonium lord
231528 | Zig:24   | Noticed Exug the pandemonium lord
231529 | Zig:24   | Noticed Fytov the pandemonium lord
231529 | Zig:24   | Killed Pecluetz the pandemonium lord
231529 | Zig:24   | Killed Ataadicu the pandemonium lord
231529 | Zig:24   | Noticed Aplegrah the pandemonium lord
231530 | Zig:24   | shadowrider38: lol
231530 | Zig:24   | Killed Moagoak the pandemonium lord
231530 | Zig:24   | Killed Ruamaw the pandemonium lord
231530 | Zig:24   | Noticed Nierghoi the pandemonium lord
231530 | Zig:24   | Noticed Ladwym the pandemonium lord
231530 | Zig:24   | Noticed Ethruh the pandemonium lord
231530 | Zig:24   | Noticed Ungyfisi the pandemonium lord
231530 | Zig:24   | Noticed Nuaschiq the pandemonium lord
231531 | Zig:24   | Killed Rige the pandemonium lord
231531 | Zig:24   | Killed Xyatoroc the pandemonium lord
231531 | Zig:24   | Killed Gaxzaeh the pandemonium lord
231531 | Zig:24   | Noticed Lumeohoisuo the pandemonium lord
231531 | Zig:24   | Noticed Vupen the pandemonium lord
231531 | Zig:24   | Noticed Erekkask the pandemonium lord
231532 | Zig:24   | Noticed Sujeem the pandemonium lord
231532 | Zig:24   | Noticed Tun Pal the pandemonium lord
231532 | Zig:24   | Noticed Jeuny the pandemonium lord
231532 | Zig:24   | Killed Ethruh the pandemonium lord
231532 | Zig:24   | Killed Zyak the pandemonium lord
231532 | Zig:24   | Killed Lumeohoisuo the pandemonium lord
231532 | Zig:24   | Noticed Eskit the pandemonium lord
231532 | Zig:24   | Noticed Qeokh the pandemonium lord
231533 | Zig:24   | Killed Jeuny the pandemonium lord
231533 | Zig:24   | Killed Sujeem the pandemonium lord
231533 | Zig:24   | Killed Ungyfisi the pandemonium lord
231533 | Zig:24   | Noticed Gaowagoyt the pandemonium lord
231533 | Zig:24   | Noticed Esawonis the pandemonium lord
231533 | Zig:24   | Noticed Gih Xair the pandemonium lord
231533 | Zig:24   | Noticed Ylo Roh the pandemonium lord
231534 | Zig:24   | Noticed Duanuirch the pandemonium lord
231534 | Zig:24   | Killed Fytov the pandemonium lord
231534 | Zig:24   | Killed Ijelim the pandemonium lord
231534 | Zig:24   | Killed Tun Pal the pandemonium lord
231534 | Zig:24   | Killed Nuaschiq the pandemonium lord
231534 | Zig:24   | Killed Aplegrah the pandemonium lord
231534 | Zig:24   | Noticed Zixepug the pandemonium lord
231535 | Zig:24   | Killed Ladwym the pandemonium lord
231535 | Zig:24   | Killed Erekkask the pandemonium lord
231535 | Zig:24   | Killed Esawonis the pandemonium lord
231535 | Zig:24   | Killed Exug the pandemonium lord
231536 | Zig:24   | Noticed Webidgh the pandemonium lord
231536 | Zig:24   | Killed Quji the pandemonium lord
231536 | Zig:24   | Killed Gaowagoyt the pandemonium lord
231536 | Zig:24   | Killed Duanuirch the pandemonium lord
231536 | Zig:24   | Killed Qeokh the pandemonium lord
231536 | Zig:24   | Noticed Enecolal the pandemonium lord
231536 | Zig:24   | Noticed Reibie the pandemonium lord
231536 | Zig:24   | Killed Evaabrim the pandemonium lord
231536 | Zig:24   | Killed Raosy the pandemonium lord
231536 | Zig:24   | Killed Vupen the pandemonium lord
231536 | Zig:24   | Noticed Ruwi the pandemonium lord
231537 | Zig:24   | Noticed Xegum the pandemonium lord
231538 | Zig:24   | Noticed Mauc the pandemonium lord
231538 | Zig:24   | Noticed Ageedgherch the pandemonium lord
231538 | Zig:24   | Killed Gih Xair the pandemonium lord
231538 | Zig:24   | Killed Uqyolo the pandemonium lord
231541 | Zig:24   | Noticed Dezaplep the pandemonium lord
231541 | Zig:24   | Killed Enecolal the pandemonium lord
231541 | Zig:24   | Killed Ylo Roh the pandemonium lord
231541 | Zig:24   | Killed Reibie the pandemonium lord
231541 | Zig:24   | Noticed Titt the pandemonium lord
231541 | Zig:24   | Noticed Didugur the pandemonium lord
231541 | Zig:24   | Noticed Ogygenin the pandemonium lord
231541 | Zig:24   | Noticed Lighow the pandemonium lord
231542 | Zig:24   | Killed Ageedgherch the pandemonium lord
231542 | Zig:24   | Killed Webidgh the pandemonium lord
231542 | Zig:24   | Killed Eskit the pandemonium lord
231542 | Zig:24   | Killed Xegum the pandemonium lord
231542 | Zig:24   | Killed Ruwi the pandemonium lord
231542 | Zig:24   | Noticed Fouj Feuluc the pandemonium lord
231542 | Zig:24   | Noticed Fuph the pandemonium lord
231543 | Zig:24   | Noticed Ufilem the pandemonium lord
231543 | Zig:24   | Killed Zixepug the pandemonium lord
231543 | Zig:24   | Killed Nierghoi the pandemonium lord
231543 | Zig:24   | Killed Mauc the pandemonium lord
231543 | Zig:24   | Killed Dezaplep the pandemonium lord
231543 | Zig:24   | Noticed Jequhox the pandemonium lord
231543 | Zig:24   | Noticed Zefin the pandemonium lord
231543 | Zig:24   | Noticed Rohobuty the pandemonium lord
231544 | Zig:24   | Killed Fouj Feuluc the pandemonium lord
231544 | Zig:24   | Killed Ogygenin the pandemonium lord
231544 | Zig:24   | Noticed Egro the pandemonium lord
231544 | Zig:24   | Noticed Anofapno the pandemonium lord
231544 | Zig:24   | Noticed Lagryn the pandemonium lord
231544 | Zig:24   | Noticed Unabb the pandemonium lord
231545 | Zig:24   | Noticed Dedeih the pandemonium lord
231545 | Zig:24   | Noticed Lecogy Xics the pandemonium lord
231545 | Zig:24   | Noticed Raid the pandemonium lord
231546 | Zig:24   | Killed Titt the pandemonium lord
231546 | Zig:24   | Killed Lighow the pandemonium lord
231546 | Zig:24   | Noticed Ukleis the pandemonium lord
231547 | Zig:24   | Killed Didugur the pandemonium lord
231547 | Zig:24   | Killed Rohobuty the pandemonium lord
231547 | Zig:24   | Killed Lagryn the pandemonium lord
231547 | Zig:24   | Killed Zefin the pandemonium lord
231547 | Zig:24   | Killed Dedeih the pandemonium lord
231547 | Zig:24   | Noticed Farutza the pandemonium lord
231547 | Zig:24   | Noticed Muzuesuf the pandemonium lord
231548 | Zig:24   | Noticed Huasmasi the pandemonium lord
231548 | Zig:24   | Killed Jequhox the pandemonium lord
231548 | Zig:24   | Killed Egro the pandemonium lord
231548 | Zig:24   | Noticed Imisaz the pandemonium lord
231548 | Zig:24   | Noticed Ymoij the pandemonium lord
231548 | Zig:24   | Noticed Foro the pandemonium lord
231549 | Zig:24   | Noticed Meaf the pandemonium lord
231549 | Zig:24   | Killed Anofapno the pandemonium lord
231549 | Zig:24   | Noticed Gouduj the pandemonium lord
231550 | Zig:24   | Noticed Remair the pandemonium lord
231550 | Zig:24   | Killed Ukleis the pandemonium lord
231550 | Zig:24   | Killed Ymoij the pandemonium lord
231550 | Zig:24   | Killed Unabb the pandemonium lord
231550 | Zig:24   | Noticed Duddaino the pandemonium lord
231550 | Zig:24   | Noticed Xyubocu the pandemonium lord
231550 | Zig:24   | Noticed Aqomp the pandemonium lord
231551 | Zig:24   | Killed Farutza the pandemonium lord
231551 | Zig:24   | Noticed Myput the pandemonium lord
231551 | Zig:24   | Noticed Pis Doxieb the pandemonium lord
231552 | Zig:24   | Killed Ufilem the pandemonium lord
231552 | Zig:24   | Killed Huasmasi the pandemonium lord
231552 | Zig:24   | Killed Lecogy Xics the pandemonium lord
231552 | Zig:24   | Killed Fuph the pandemonium lord
231553 | Zig:24   | Noticed Afask the pandemonium lord
231553 | Zig:24   | Noticed Focw the pandemonium lord
231554 | Zig:24   | Noticed Gyring the pandemonium lord
231554 | Zig:24   | Noticed Xossapru the pandemonium lord
231554 | Zig:24   | Killed Myput the pandemonium lord
231554 | Zig:24   | Killed Foro the pandemonium lord
231554 | Zig:24   | Killed Raid the pandemonium lord
231554 | Zig:24   | Noticed Dugaereh the pandemonium lord
231555 | Zig:24   | Killed Gyring the pandemonium lord
231555 | Zig:24   | Killed Duddaino the pandemonium lord
231555 | Zig:24   | Killed Xossapru the pandemonium lord
231555 | Zig:24   | Killed Remair the pandemonium lord
231555 | Zig:24   | Killed Xyubocu the pandemonium lord
231555 | Zig:24   | Noticed Huneunn the pandemonium lord
231556 | Zig:24   | Noticed Poicuq the pandemonium lord
231556 | Zig:24   | Killed Muzuesuf the pandemonium lord
231556 | Zig:24   | Noticed Barilefu the pandemonium lord
231556 | Zig:24   | Noticed Laeb the pandemonium lord
231556 | Zig:24   | Noticed Tecvuscha the pandemonium lord
231556 | Zig:24   | Noticed Ravoth the pandemonium lord
231557 | Zig:24   | Killed Gouduj the pandemonium lord
231557 | Zig:24   | Killed Afask the pandemonium lord
231557 | Zig:24   | Noticed Heov the pandemonium lord
231557 | Zig:24   | Noticed Faith the pandemonium lord
231557 | Zig:24   | Noticed Bicood the pandemonium lord
231558 | Zig:24   | Noticed Perphefo the pandemonium lord
231558 | Zig:24   | Noticed Ywuiruigh the pandemonium lord
231558 | Zig:24   | Noticed Xaiczyen the pandemonium lord
231560 | Zig:24   | Noticed Gepot the pandemonium lord
231561 | Zig:24   | Killed Focw the pandemonium lord
231561 | Zig:24   | Killed Pis Doxieb the pandemonium lord
231561 | Zig:24   | Killed Aqomp the pandemonium lord
231562 | Zig:24   | Noticed Gyenn the pandemonium lord
231562 | Zig:24   | Noticed Zuceqos the pandemonium lord
231562 | Zig:24   | Noticed Misu Guy the pandemonium lord
231562 | Zig:24   | Noticed Lyute the pandemonium lord
231562 | Zig:24   | Noticed Erhun the pandemonium lord
231563 | Zig:24   | Noticed Setou the pandemonium lord
231563 | Zig:24   | Noticed Oghionk the pandemonium lord
231563 | Zig:24   | Killed Imisaz the pandemonium lord
231563 | Zig:24   | Killed Barilefu the pandemonium lord
231563 | Zig:24   | Killed Faith the pandemonium lord
231563 | Zig:24   | Killed Ywuiruigh the pandemonium lord
231563 | Zig:24   | Killed Huneunn the pandemonium lord
231563 | Zig:24   | Killed Laeb the pandemonium lord
231564 | Zig:24   | Noticed Iqeismeg the pandemonium lord
231564 | Zig:24   | Killed Dugaereh the pandemonium lord
231564 | Zig:24   | Noticed Unuwe the pandemonium lord
231564 | Zig:24   | Noticed Cacuatiu the pandemonium lord
231564 | Zig:24   | Noticed Itomokosm the pandemonium lord
231564 | Abyss:4  | Cast into level 4 of the Abyss (Ravoth)
231682 | Abyss:4  | Noticed an ancient lich
231693 | Abyss:4  | Killed an ancient lich
231701 | Zig:24   | Escaped the Abyss
231701 | Zig:24   | Noticed Haehien the pandemonium lord
231701 | Zig:24   | Noticed Ifaozi the pandemonium lord
231701 | Zig:24   | Noticed Kykell the pandemonium lord
231701 | Zig:24   | Noticed Meaffe the pandemonium lord
231702 | Zig:24   | Tricky101: spicy
231702 | Zig:24   | shadowrider38: om confused how this wors
231702 | Zig:24   | Tricky101: fk em up
231702 | Zig:24   | Tricky101: prep for blink
231702 | Zig:24   | shadowrider38: whos silencing
231702 | Zig:24   | Tricky101: your going to fast so i cant read XD
231702 | Zig:24   | shadowrider38: wait its just me
231702 | Zig:24   | Noticed Ikowos the pandemonium lord
231702 | Zig:24   | Noticed Guguast the pandemonium lord
231702 | Zig:24   | Noticed Sablarhi the pandemonium lord
231702 | Zig:24   | Noticed Xori Ycs the pandemonium lord
231702 | Zig:24   | Noticed Beugum the pandemonium lord
231703 | Zig:24   | Noticed Sydwegudgh the pandemonium lord
231703 | Zig:24   | Noticed Koulusu the pandemonium lord
231703 | Zig:24   | Noticed Cuynil the pandemonium lord
231703 | Zig:24   | Noticed Harykoll the pandemonium lord
231703 | Zig:24   | Noticed Impoqoof the pandemonium lord
231705 | Zig:24   | Noticed Axucho the pandemonium lord
231705 | Zig:24   | Noticed Astrapih the pandemonium lord
231705 | Zig:24   | Noticed Axkoux the pandemonium lord
231706 | Zig:24   | Noticed Vucsesk the pandemonium lord
231712 | Zig:24   | Noticed Rokeups the pandemonium lord
231712 | Zig:24   | Noticed Jadid the pandemonium lord
231713 | Zig:24   | Tricky101: melee?
231713 | Zig:24   | Killed Meaf the pandemonium lord
231713 | Zig:24   | Killed Kykell the pandemonium lord
231713 | Zig:24   | Killed Harykoll the pandemonium lord
231713 | Zig:24   | Killed Unuwe the pandemonium lord
231713 | Zig:24   | Killed Vucsesk the pandemonium lord
231713 | Zig:24   | Killed Cacuatiu the pandemonium lord
231713 | Zig:24   | Killed Xaiczyen the pandemonium lord
231713 | Zig:24   | Killed Itomokosm the pandemonium lord
231713 | Zig:24   | Killed Axucho the pandemonium lord
231713 | Zig:24   | Killed Iqeismeg the pandemonium lord
231713 | Zig:24   | Killed Ifaozi the pandemonium lord
231713 | Zig:24   | Noticed Zedug the pandemonium lord
231714 | Zig:24   | Killed Beugum the pandemonium lord
231714 | Zig:24   | Killed Zuceqos the pandemonium lord
231714 | Zig:24   | Killed Ravoth the pandemonium lord
231714 | Zig:24   | Killed Impoqoof the pandemonium lord
231714 | Zig:24   | Killed Astrapih the pandemonium lord
231714 | Zig:24   | Killed Guguast the pandemonium lord
231714 | Zig:24   | Killed Sydwegudgh the pandemonium lord
231715 | Zig:24   | Noticed Ithipt the pandemonium lord
231715 | Zig:24   | Tricky101: boom
231715 | Zig:24   | Killed Tecvuscha the pandemonium lord
231715 | Zig:24   | Killed Xori Ycs the pandemonium lord
231715 | Zig:24   | Killed Ikowos the pandemonium lord
231715 | Zig:24   | Killed Sablarhi the pandemonium lord
231715 | Zig:24   | Killed Misu Guy the pandemonium lord
231715 | Zig:24   | Killed Erhun the pandemonium lord
231715 | Zig:24   | Noticed Ceogh the pandemonium lord
231715 | Zig:24   | Noticed Fovyg the pandemonium lord
231716 | Zig:24   | Noticed Dypp the pandemonium lord
231716 | Zig:24   | Noticed Inoe the pandemonium lord
231716 | Zig:24   | Killed Bicood the pandemonium lord
231716 | Zig:24   | Killed Gepot the pandemonium lord
231716 | Zig:24   | Killed Setou the pandemonium lord
231716 | Zig:24   | Killed Perphefo the pandemonium lord
231716 | Zig:24   | Killed Gyenn the pandemonium lord
231716 | Zig:24   | Killed Heov the pandemonium lord
231716 | Zig:24   | Killed Koulusu the pandemonium lord
231716 | Zig:24   | Killed Lyute the pandemonium lord
231716 | Zig:24   | Killed Cuynil the pandemonium lord
231716 | Zig:24   | Killed Meaffe the pandemonium lord
231717 | Zig:24   | Killed Haehien the pandemonium lord
231717 | Zig:24   | Killed Axkoux the pandemonium lord
231717 | Zig:24   | Killed Poicuq the pandemonium lord
231717 | Zig:24   | Noticed Kifinuohu the pandemonium lord
231718 | Zig:24   | Tricky101: pop off
231718 | Zig:24   | Noticed Beolad the pandemonium lord
231718 | Zig:24   | Noticed Jepsuus the pandemonium lord
231718 | Zig:24   | Noticed Paitosowk the pandemonium lord
231719 | Zig:24   | Noticed Barghem the pandemonium lord
231719 | Zig:24   | Killed Rokeups the pandemonium lord
231719 | Zig:24   | Killed Ceogh the pandemonium lord
231719 | Zig:24   | Killed Ithipt the pandemonium lord
231719 | Zig:24   | Noticed Seken the pandemonium lord
231720 | Zig:24   | Killed Inoe the pandemonium lord
231720 | Zig:24   | Killed Oghionk the pandemonium lord
231721 | Zig:24   | Noticed Qomu the pandemonium lord
231721 | Zig:24   | Killed Zedug the pandemonium lord
231721 | Zig:24   | Killed Dypp the pandemonium lord
231721 | Zig:24   | Killed Fovyg the pandemonium lord
231721 | Zig:24   | Killed Jadid the pandemonium lord
231722 | Zig:24   | Killed Paitosowk the pandemonium lord
231722 | Zig:24   | Killed Seken the pandemonium lord
231722 | Zig:24   | Killed Kifinuohu the pandemonium lord
231722 | Zig:24   | Noticed Pinabloc the pandemonium lord
231722 | Zig:24   | Noticed Eteef the pandemonium lord
231722 | Zig:24   | Noticed Xajog the pandemonium lord
231723 | Zig:24   | Killed Beolad the pandemonium lord
231723 | Zig:24   | Killed Barghem the pandemonium lord
231724 | Zig:24   | Noticed Dyaqin the pandemonium lord
231724 | Zig:24   | Noticed Tigoed the pandemonium lord
231726 | Zig:24   | shadowrider38: silence like the only thing that stops me
                  | atp
231728 | Zig:24   | Killed Qomu the pandemonium lord
231728 | Zig:24   | Killed Eteef the pandemonium lord
231728 | Zig:24   | Killed Jepsuus the pandemonium lord
231728 | Zig:24   | Killed Pinabloc the pandemonium lord
231731 | Zig:24   | Noticed Umun the pandemonium lord
231732 | Zig:24   | Noticed Jaisiono the pandemonium lord
231735 | Zig:24   | Killed Dyaqin the pandemonium lord
231736 | Zig:24   | Killed Xajog the pandemonium lord
231738 | Zig:24   | Killed Tigoed the pandemonium lord
231738 | Zig:24   | Noticed Fevvumor the pandemonium lord
231740 | Zig:24   | Killed Jaisiono the pandemonium lord
231740 | Zig:24   | Noticed Dyx Uwu the pandemonium lord
231741 | Zig:24   | Killed Fevvumor the pandemonium lord
231745 | Zig:24   | Killed Umun the pandemonium lord
231751 | Zig:24   | Killed Dyx Uwu the pandemonium lord
231955 | Zig:24   | Tricky101: have a mele and destro ready
232169 | Zig:24   | Identified the ring "Paaw" {rC+ rN+}
232181 | Zig:24   | Identified the +7 arbalest "Telywk" {freeze, Fragile rCorr
                  | Str+6}
232189 | Zig:24   | Identified the ring of Geacy {EV+5 Str+5}
232195 | Zig:24   | Identified the +1 morningstar "Cekhar" {antimagic, Dex+2}
232196 | Zig:24   | Identified the ring "Cikoeklu" {Wiz SInv}
232199 | Zig:24   | Identified the staff of death "Juqimo" {*Slow rN+ Int+8
                  | SInv Stlth+}
232204 | Zig:24   | Identified the staff of air "Nufon" {rElec Will+ rCorr}
232205 | Zig:24   | Tricky101: just in case
232205 | Zig:24   | Identified the +2 robe of Kleptomania {Archmagi}
232209 | Zig:24   | Identified the scarf of Impatience {rC+ rF+, Str+2 Dex+3
                  | Stlth-}
232210 | Zig:24   | Identified the +6 battleaxe of Arbitration {elec, rPois rF-
                  | rCorr Dex+5}
232216 | Zig:24   | Identified the +1 halberd "Ybohapom" {speed, Str+5 Dex+2}
232236 | Zig:24   | shadowrider38: i have all the melee ready
232236 | Zig:24   | Tricky101: what weap
232236 | Zig:24   | Tricky101: ?
232238 | Zig:24   | Tricky101: dist
232238 | Zig:24   | Tricky101: ok
232238 | Zig:24   | Tricky101: nice
232240 | Zig:25   | Entered Level 25 of a ziggurat
232240 | Zig:25   | Noticed a juggernaut
232240 | Zig:25   | Noticed a juggernaut
232240 | Zig:25   | Noticed a juggernaut
232240 | Zig:25   | Noticed a juggernaut
232240 | Zig:25   | Noticed a juggernaut
232240 | Zig:25   | Noticed a juggernaut
232240 | Zig:25   | Noticed a juggernaut
232240 | Zig:25   | Noticed a juggernaut
232240 | Zig:25   | Noticed a juggernaut
232240 | Zig:25   | Noticed a juggernaut
232240 | Zig:25   | Noticed a juggernaut
232241 | Zig:25   | Killed a juggernaut
232241 | Zig:25   | Killed a juggernaut
232241 | Zig:25   | Killed a juggernaut
232241 | Zig:25   | Killed a juggernaut
232241 | Zig:25   | Killed a juggernaut
232241 | Zig:25   | Killed a juggernaut
232241 | Zig:25   | Killed a juggernaut
232241 | Zig:25   | Killed a juggernaut
232241 | Zig:25   | Killed a juggernaut
232241 | Zig:25   | Killed a juggernaut
232241 | Zig:25   | Noticed a juggernaut
232241 | Zig:25   | Noticed a juggernaut
232241 | Zig:25   | Noticed a juggernaut
232242 | Zig:25   | Noticed a juggernaut
232242 | Zig:25   | Noticed a juggernaut
232244 | Zig:25   | Noticed a juggernaut
232244 | Zig:25   | Noticed a juggernaut
232244 | Zig:25   | Killed a juggernaut
232244 | Zig:25   | Noticed a juggernaut
232245 | Zig:25   | Noticed a juggernaut
232245 | Zig:25   | Noticed a juggernaut
232245 | Zig:25   | Noticed a juggernaut
232245 | Zig:25   | Killed a juggernaut
232245 | Zig:25   | Noticed a juggernaut
232247 | Zig:25   | Noticed a juggernaut
232247 | Zig:25   | Noticed a juggernaut
232248 | Zig:25   | Noticed a juggernaut
232248 | Zig:25   | Noticed a juggernaut
232248 | Zig:25   | Noticed a juggernaut
232248 | Zig:25   | Noticed a juggernaut
232248 | Zig:25   | Noticed a juggernaut
232248 | Zig:25   | Killed a juggernaut
232248 | Zig:25   | Noticed a juggernaut
232249 | Zig:25   | Killed a juggernaut
232249 | Zig:25   | Killed a juggernaut
232249 | Zig:25   | Killed a juggernaut
232249 | Zig:25   | Killed a juggernaut
232249 | Zig:25   | Killed a juggernaut
232249 | Zig:25   | Killed a juggernaut
232249 | Zig:25   | Killed a juggernaut
232249 | Zig:25   | Killed a juggernaut
232249 | Zig:25   | Killed a juggernaut
232249 | Zig:25   | Killed a juggernaut
232249 | Zig:25   | Killed a juggernaut
232249 | Zig:25   | Killed a juggernaut
232249 | Zig:25   | Killed a juggernaut
232250 | Zig:25   | Noticed a juggernaut
232250 | Zig:25   | Noticed a juggernaut
232250 | Zig:25   | Killed a juggernaut
232250 | Zig:25   | Killed a juggernaut
232251 | Zig:25   | Noticed a juggernaut
232251 | Zig:25   | Killed a juggernaut
232251 | Zig:25   | Noticed a juggernaut
232251 | Zig:25   | Noticed a juggernaut
232253 | Zig:25   | Noticed a juggernaut
232254 | Zig:25   | Noticed a juggernaut
232256 | Zig:25   | Noticed a juggernaut
232256 | Zig:25   | Killed a juggernaut
232256 | Zig:25   | Killed a juggernaut
232256 | Zig:25   | Killed a juggernaut
232256 | Zig:25   | Killed a juggernaut
232256 | Zig:25   | Killed a juggernaut
232256 | Zig:25   | Killed a juggernaut
232256 | Zig:25   | Killed a juggernaut
232256 | Zig:25   | Killed a juggernaut
232257 | Zig:25   | Noticed a juggernaut
232258 | Zig:25   | Noticed a juggernaut
232258 | Zig:25   | Noticed a juggernaut
232259 | Zig:25   | Noticed a juggernaut
232260 | Zig:25   | Noticed a juggernaut
232260 | Zig:25   | Killed a juggernaut
232260 | Zig:25   | Killed a juggernaut
232261 | Zig:25   | Noticed a juggernaut
232261 | Zig:25   | Killed a juggernaut
232262 | Zig:25   | Noticed a juggernaut
232263 | Zig:25   | Killed a juggernaut
232263 | Zig:25   | Killed a juggernaut
232263 | Zig:25   | Killed a juggernaut
232263 | Zig:25   | Killed a juggernaut
232263 | Zig:25   | Killed a juggernaut
232269 | Zig:25   | Killed a juggernaut
232457 | Zig:25   | Tricky101: what zigg u on
232522 | Zig:25   | Tricky101: i lost count
232637 | Zig:25   | shadowrider38: this 12
232637 | Zig:25   | shadowrider38: i believe
232637 | Zig:25   | Tricky101: and btw im gonna be headed home soon so dont die
232664 | Zig:25   | shadowrider38: oh sweet
232664 | Zig:25   | shadowrider38: im going to eat ice cream after this one
232664 | Zig:25   | shadowrider38: and maybe ill come back maybe not
232689 | Zig:25   | Identified the staff of earth "Xong" {Int-2 Dex+5}
232693 | Zig:25   | Tricky101: XD
232711 | Zig:25   | Identified the +3 chain mail of the Sun {rF- Slay+3 SInv}
232721 | Zig:25   | Identified the ring "Damnable Contraption" {EV+5 Str+2}
232724 | Zig:25   | Identified the +0 chain mail of Hayskut {rElec rC- Will+
                  | Stlth+}
232725 | Zig:25   | Identified the +6 chain mail of the Moon {rN+ Int+2 Dex+4
                  | Stlth+}
232815 | Zig:25   | Tricky101: got discord?
232980 | Zig:25   | Tricky101: Tricky1#9295 add me and lmk when you start your
                  | run again
232980 | Zig:25   | shadowrider38: aight lol
232980 | Zig:25   | shadowrider38: did you hear theyre changing it
232980 | Zig:25   | shadowrider38: no more tags
232980 | Zig:25   | Tricky101: dumb
232981 | Zig:25   | shadowrider38: k sent
232984 | Zig:26   | Entered Level 26 of a ziggurat
232984 | Zig:26   | Noticed Loellet the pandemonium lord
232984 | Zig:26   | Noticed Heriz the pandemonium lord
232984 | Zig:26   | Noticed Unylur the pandemonium lord
232984 | Zig:26   | Noticed Nuvvoed the pandemonium lord
232984 | Zig:26   | Noticed Giarch the pandemonium lord
232984 | Zig:26   | Noticed Bew Asor the pandemonium lord
232984 | Zig:26   | Noticed Muev the pandemonium lord
232984 | Zig:26   | Noticed Naxymeze the pandemonium lord
232984 | Zig:26   | Noticed Sout the pandemonium lord
232984 | Zig:26   | Noticed Ditam the pandemonium lord
232984 | Zig:26   | Noticed Supruiwk the pandemonium lord
232984 | Zig:26   | Noticed Nyq Giwog the pandemonium lord
232984 | Zig:26   | Noticed Ituaph the pandemonium lord
232984 | Zig:26   | Noticed Biczebep the pandemonium lord
232984 | Zig:26   | Noticed Teig Fitsusk the pandemonium lord
232984 | Zig:26   | Noticed Radochut the pandemonium lord
232984 | Zig:26   | Noticed Tiugrawna the pandemonium lord
232984 | Zig:26   | Noticed Gyrenom the pandemonium lord
232984 | Zig:26   | Noticed Amyamm the pandemonium lord
232984 | Zig:26   | Noticed Joxt the pandemonium lord
232984 | Zig:26   | Noticed Giosudih the pandemonium lord
232984 | Zig:26   | Noticed Cuohegue the pandemonium lord
232984 | Zig:26   | Noticed Losihu the pandemonium lord
232984 | Zig:26   | Noticed Qodghybal the pandemonium lord
232984 | Zig:26   | Noticed Guipime the pandemonium lord
232985 | Zig:26   | shadowrider38: bruh i hate these
232985 | Zig:26   | Killed Nyq Giwog the pandemonium lord
232985 | Zig:26   | Killed Ditam the pandemonium lord
232985 | Zig:26   | Killed Qodghybal the pandemonium lord
232985 | Zig:26   | Killed Losihu the pandemonium lord
232985 | Zig:26   | Noticed Voxtam the pandemonium lord
232986 | Zig:26   | Noticed Azxupp the pandemonium lord
232986 | Zig:26   | Noticed Sesen the pandemonium lord
232986 | Zig:26   | Noticed Kynudoikle the pandemonium lord
232986 | Zig:26   | Noticed Xayres the pandemonium lord
232986 | Zig:26   | Noticed Cerid the pandemonium lord
232986 | Zig:26   | Noticed Limeacinn the pandemonium lord
232987 | Zig:26   | Noticed Ushru the pandemonium lord
232987 | Zig:26   | Noticed Neas the pandemonium lord
232987 | Zig:26   | Killed Unylur the pandemonium lord
232987 | Zig:26   | Killed Voxtam the pandemonium lord
232987 | Zig:26   | Killed Nuvvoed the pandemonium lord
232987 | Zig:26   | Killed Cuohegue the pandemonium lord
232987 | Zig:26   | Killed Heriz the pandemonium lord
232987 | Zig:26   | Killed Azxupp the pandemonium lord
232987 | Zig:26   | Killed Supruiwk the pandemonium lord
232987 | Zig:26   | Noticed Hoxul the pandemonium lord
232987 | Zig:26   | Noticed Riehal the pandemonium lord
232987 | Zig:26   | Noticed Vedgh the pandemonium lord
232988 | Zig:26   | Killed Gyrenom the pandemonium lord
232988 | Zig:26   | Killed Muev the pandemonium lord
232988 | Zig:26   | Killed Radochut the pandemonium lord
232988 | Zig:26   | Killed Bew Asor the pandemonium lord
232988 | Zig:26   | Killed Tiugrawna the pandemonium lord
232988 | Zig:26   | Killed Giarch the pandemonium lord
232988 | Zig:26   | Killed Biczebep the pandemonium lord
232988 | Zig:26   | Killed Amyamm the pandemonium lord
232989 | Zig:26   | Killed Teig Fitsusk the pandemonium lord
232989 | Zig:26   | Killed Giosudih the pandemonium lord
232989 | Zig:26   | Killed Hoxul the pandemonium lord
232989 | Zig:26   | Killed Vedgh the pandemonium lord
232989 | Zig:26   | Killed Ituaph the pandemonium lord
232989 | Zig:26   | Killed Loellet the pandemonium lord
232989 | Zig:26   | Noticed Aguvozag the pandemonium lord
232989 | Zig:26   | Noticed Wiqump the pandemonium lord
232989 | Zig:26   | Noticed Doyfizu the pandemonium lord
232989 | Zig:26   | Noticed Zisipol the pandemonium lord
232990 | Zig:26   | Killed Guipime the pandemonium lord
232990 | Zig:26   | Killed Xayres the pandemonium lord
232990 | Zig:26   | Killed Limeacinn the pandemonium lord
232990 | Zig:26   | Killed Sesen the pandemonium lord
232990 | Zig:26   | Killed Ushru the pandemonium lord
232990 | Zig:26   | Killed Neas the pandemonium lord
232990 | Zig:26   | Killed Kynudoikle the pandemonium lord
232990 | Zig:26   | Noticed Kamumaum the pandemonium lord
232990 | Zig:26   | Noticed Weren the pandemonium lord
232990 | Zig:26   | Noticed Ikloi the pandemonium lord
232991 | Zig:26   | Noticed Jalyp the pandemonium lord
232991 | Zig:26   | Killed Joxt the pandemonium lord
232991 | Zig:26   | Killed Cerid the pandemonium lord
232991 | Zig:26   | Noticed Roaq the pandemonium lord
232991 | Zig:26   | Noticed Datureuq the pandemonium lord
232991 | Zig:26   | Noticed Zeril the pandemonium lord
232992 | Zig:26   | Killed Wiqump the pandemonium lord
232992 | Zig:26   | Noticed Otaeshra the pandemonium lord
232992 | Zig:26   | Noticed Sozaoxel the pandemonium lord
232992 | Zig:26   | Noticed Butzuasi the pandemonium lord
232992 | Zig:26   | Noticed Neshohyt the pandemonium lord
232993 | Zig:26   | Noticed Kiptet the pandemonium lord
232993 | Zig:26   | Killed Ikloi the pandemonium lord
232993 | Zig:26   | Killed Sout the pandemonium lord
232993 | Zig:26   | Killed Aguvozag the pandemonium lord
232993 | Zig:26   | Killed Riehal the pandemonium lord
232993 | Zig:26   | Noticed Ofrauf the pandemonium lord
232993 | Zig:26   | Noticed Nerosch the pandemonium lord
232993 | Zig:26   | Noticed Yraijulo the pandemonium lord
232995 | Zig:26   | Killed Jalyp the pandemonium lord
232995 | Zig:26   | Killed Naxymeze the pandemonium lord
232995 | Zig:26   | Killed Zisipol the pandemonium lord
232995 | Zig:26   | Killed Roaq the pandemonium lord
232995 | Zig:26   | Killed Neshohyt the pandemonium lord
232995 | Zig:26   | Killed Datureuq the pandemonium lord
232995 | Zig:26   | Killed Kamumaum the pandemonium lord
232995 | Zig:26   | Noticed Pemane the pandemonium lord
232996 | Zig:26   | Killed Zeril the pandemonium lord
232996 | Zig:26   | Killed Doyfizu the pandemonium lord
232996 | Zig:26   | Killed Ofrauf the pandemonium lord
232996 | Zig:26   | Killed Butzuasi the pandemonium lord
232996 | Zig:26   | Noticed Qikkumi the pandemonium lord
232996 | Zig:26   | Noticed Ollex the pandemonium lord
232996 | Zig:26   | Noticed Lotariw the pandemonium lord
232996 | Zig:26   | Noticed Arajaez the pandemonium lord
232997 | Zig:26   | Noticed Olaosaubb the pandemonium lord
232998 | Zig:26   | Killed Pemane the pandemonium lord
232998 | Zig:26   | Noticed Aneqia the pandemonium lord
232998 | Zig:26   | Noticed Juastrol the pandemonium lord
232998 | Zig:26   | Noticed Ziogoula the pandemonium lord
232998 | Zig:26   | Noticed Ukiqoceb the pandemonium lord
232999 | Zig:26   | Noticed Malaewku the pandemonium lord
233000 | Zig:26   | Noticed Dakh the pandemonium lord
233000 | Zig:26   | Noticed Goufom the pandemonium lord
233001 | Zig:26   | Killed Arajaez the pandemonium lord
233001 | Zig:26   | Killed Lotariw the pandemonium lord
233001 | Zig:26   | Killed Weren the pandemonium lord
233001 | Zig:26   | Killed Yraijulo the pandemonium lord
233001 | Zig:26   | Noticed Mang the pandemonium lord
233001 | Zig:26   | Noticed Qoboleank the pandemonium lord
233002 | Zig:26   | Killed Nerosch the pandemonium lord
233002 | Zig:26   | Killed Ziogoula the pandemonium lord
233002 | Zig:26   | Killed Juastrol the pandemonium lord
233002 | Zig:26   | Killed Sozaoxel the pandemonium lord
233002 | Zig:26   | Killed Ukiqoceb the pandemonium lord
233002 | Zig:26   | Noticed Xaupny the pandemonium lord
233002 | Zig:26   | Noticed Yqoa the pandemonium lord
233002 | Zig:26   | Noticed Dapsatapt the pandemonium lord
233002 | Zig:26   | Noticed Rilath the pandemonium lord
233002 | Zig:26   | Noticed Ahauj the pandemonium lord
233004 | Zig:26   | Killed Otaeshra the pandemonium lord
233004 | Zig:26   | Killed Ollex the pandemonium lord
233004 | Zig:26   | Killed Qikkumi the pandemonium lord
233004 | Zig:26   | Killed Goufom the pandemonium lord
233004 | Zig:26   | Killed Kiptet the pandemonium lord
233004 | Zig:26   | Killed Aneqia the pandemonium lord
233004 | Zig:26   | Noticed Zaij the pandemonium lord
233004 | Zig:26   | Noticed Vicwere the pandemonium lord
233005 | Zig:26   | Killed Dakh the pandemonium lord
233005 | Zig:26   | Noticed Uqeridee the pandemonium lord
233005 | Zig:26   | Noticed Hoifexku the pandemonium lord
233006 | Zig:26   | Noticed Ponlul the pandemonium lord
233006 | Zig:26   | Killed Olaosaubb the pandemonium lord
233006 | Zig:26   | Killed Xaupny the pandemonium lord
233006 | Zig:26   | Killed Qoboleank the pandemonium lord
233006 | Zig:26   | Killed Malaewku the pandemonium lord
233006 | Zig:26   | Noticed Myakhlun the pandemonium lord
233006 | Zig:26   | Noticed Yboujoov the pandemonium lord
233006 | Zig:26   | Noticed Rozidun the pandemonium lord
233006 | Zig:26   | Noticed Tuufuoq the pandemonium lord
233007 | Zig:26   | Killed Ahauj the pandemonium lord
233007 | Zig:26   | Killed Dapsatapt the pandemonium lord
233007 | Zig:26   | Killed Uqeridee the pandemonium lord
233007 | Zig:26   | Killed Mang the pandemonium lord
233007 | Zig:26   | Noticed Urerghir the pandemonium lord
233008 | Zig:26   | Killed Myakhlun the pandemonium lord
233008 | Zig:26   | Killed Zaij the pandemonium lord
233008 | Zig:26   | Killed Yqoa the pandemonium lord
233008 | Zig:26   | Noticed Dybliof the pandemonium lord
233008 | Zig:26   | Noticed Competen the pandemonium lord
233008 | Zig:26   | Noticed Azxaihegh the pandemonium lord
233009 | Zig:26   | Killed Vicwere the pandemonium lord
233009 | Zig:26   | Killed Rozidun the pandemonium lord
233009 | Zig:26   | Killed Rilath the pandemonium lord
233009 | Zig:26   | Killed Hoifexku the pandemonium lord
233009 | Zig:26   | Killed Ponlul the pandemonium lord
233009 | Zig:26   | Noticed Efoassa the pandemonium lord
233011 | Zig:26   | Noticed Itouj the pandemonium lord
233012 | Zig:26   | Noticed Beuthupt the pandemonium lord
233012 | Zig:26   | Noticed Turphug the pandemonium lord
233012 | Zig:26   | Noticed Paux Nics the pandemonium lord
233012 | Zig:26   | Noticed Tuhosk the pandemonium lord
233012 | Zig:26   | Noticed Daismiwn the pandemonium lord
233013 | Zig:26   | Killed Urerghir the pandemonium lord
233013 | Zig:26   | Noticed Qaul the pandemonium lord
233013 | Zig:26   | Noticed Ithrij the pandemonium lord
233014 | Zig:26   | Killed Efoassa the pandemonium lord
233014 | Zig:26   | Killed Tuufuoq the pandemonium lord
233014 | Zig:26   | Killed Azxaihegh the pandemonium lord
233014 | Zig:26   | Killed Competen the pandemonium lord
233014 | Zig:26   | Noticed Ycyliaff the pandemonium lord
233014 | Zig:26   | Noticed Meleazin the pandemonium lord
233014 | Zig:26   | Noticed Zahaxac the pandemonium lord
233015 | Zig:26   | Killed Itouj the pandemonium lord
233015 | Zig:26   | Killed Dybliof the pandemonium lord
233015 | Zig:26   | Killed Yboujoov the pandemonium lord
233015 | Zig:26   | Noticed Zostett the pandemonium lord
233016 | Zig:26   | Noticed Pinown the pandemonium lord
233016 | Zig:26   | Killed Beuthupt the pandemonium lord
233016 | Zig:26   | Killed Paux Nics the pandemonium lord
233016 | Zig:26   | Killed Tuhosk the pandemonium lord
233016 | Zig:26   | Killed Turphug the pandemonium lord
233016 | Zig:26   | Noticed Onka the pandemonium lord
233016 | Zig:26   | Noticed Ekly the pandemonium lord
233016 | Zig:26   | Noticed Efibaug the pandemonium lord
233017 | Zig:26   | Killed Zahaxac the pandemonium lord
233017 | Zig:26   | Killed Ithrij the pandemonium lord
233017 | Zig:26   | Killed Qaul the pandemonium lord
233017 | Zig:26   | Killed Daismiwn the pandemonium lord
233017 | Zig:26   | Noticed Otwigix the pandemonium lord
233018 | Zig:26   | Noticed Isicieq the pandemonium lord
233018 | Zig:26   | Killed Onka the pandemonium lord
233018 | Zig:26   | Killed Zostett the pandemonium lord
233018 | Zig:26   | Killed Ycyliaff the pandemonium lord
233018 | Zig:26   | Noticed Loeffyf the pandemonium lord
233018 | Zig:26   | Noticed Nazur the pandemonium lord
233018 | Zig:26   | Noticed Ydiarru the pandemonium lord
233018 | Zig:26   | Noticed Qisahifa the pandemonium lord
233020 | Zig:26   | Noticed Wadeoh the pandemonium lord
233020 | Zig:26   | Noticed Dopsom the pandemonium lord
233021 | Zig:26   | Killed Pinown the pandemonium lord
233022 | Zig:26   | Noticed Micuqitt the pandemonium lord
233022 | Zig:26   | Noticed Dablugge the pandemonium lord
233022 | Zig:26   | Noticed Qodenk the pandemonium lord
233022 | Zig:26   | Noticed Ryata the pandemonium lord
233022 | Zig:26   | Noticed Qurosy the pandemonium lord
233025 | Zig:26   | Noticed Lim Paxt the pandemonium lord
233026 | Zig:26   | Killed Ekly the pandemonium lord
233026 | Zig:26   | Killed Meleazin the pandemonium lord
233030 | Zig:26   | Killed Efibaug the pandemonium lord
233032 | Zig:26   | Noticed Xoecubb the pandemonium lord
233033 | Zig:26   | Killed Otwigix the pandemonium lord
233034 | Zig:26   | Killed Ydiarru the pandemonium lord
233034 | Zig:26   | Killed Isicieq the pandemonium lord
233034 | Zig:26   | Killed Ryata the pandemonium lord
233034 | Zig:26   | Killed Dopsom the pandemonium lord
233034 | Zig:26   | Noticed Wep Xecethri the pandemonium lord
233034 | Zig:26   | Noticed Ybunig the pandemonium lord
233035 | Zig:26   | Killed Nazur the pandemonium lord
233035 | Zig:26   | Killed Qisahifa the pandemonium lord
233035 | Zig:26   | Killed Micuqitt the pandemonium lord
233035 | Zig:26   | Killed Wadeoh the pandemonium lord
233035 | Zig:26   | Killed Lim Paxt the pandemonium lord
233035 | Zig:26   | Noticed Teilie the pandemonium lord
233036 | Zig:26   | Noticed Omaph the pandemonium lord
233036 | Zig:26   | Noticed Wizxat the pandemonium lord
233037 | Zig:26   | Noticed Vontolol the pandemonium lord
233037 | Zig:26   | Noticed Aqutsoj the pandemonium lord
233037 | Zig:26   | Noticed Utwucats the pandemonium lord
233037 | Zig:26   | Noticed Ojucw the pandemonium lord
233037 | Zig:26   | Noticed Zybrat the pandemonium lord
233037 | Zig:26   | Killed Dablugge the pandemonium lord
233037 | Zig:26   | Killed Qodenk the pandemonium lord
233037 | Zig:26   | Noticed Umiellad the pandemonium lord
233038 | Zig:26   | Killed Ojucw the pandemonium lord
233038 | Zig:26   | Killed Xoecubb the pandemonium lord
233038 | Zig:26   | Killed Ybunig the pandemonium lord
233038 | Zig:26   | Killed Qurosy the pandemonium lord
233038 | Zig:26   | Killed Wizxat the pandemonium lord
233038 | Zig:26   | Killed Utwucats the pandemonium lord
233038 | Zig:26   | Killed Loeffyf the pandemonium lord
233038 | Zig:26   | Killed Omaph the pandemonium lord
233038 | Zig:26   | Noticed Kiatsi Bode the pandemonium lord
233039 | Zig:26   | Killed Aqutsoj the pandemonium lord
233039 | Zig:26   | Killed Vontolol the pandemonium lord
233039 | Zig:26   | Killed Zybrat the pandemonium lord
233039 | Zig:26   | Killed Teilie the pandemonium lord
233039 | Zig:26   | Killed Wep Xecethri the pandemonium lord
233039 | Zig:26   | Noticed Nytar the pandemonium lord
233039 | Zig:26   | Noticed Tonirupn the pandemonium lord
233042 | Zig:26   | Noticed Isaleluym the pandemonium lord
233042 | Zig:26   | Noticed Tuget the pandemonium lord
233043 | Zig:26   | Noticed Didis the pandemonium lord
233043 | Zig:26   | Noticed Huri the pandemonium lord
233044 | Zig:26   | Killed Tonirupn the pandemonium lord
233044 | Zig:26   | Killed Umiellad the pandemonium lord
233044 | Zig:26   | Noticed Ciuhiv the pandemonium lord
233045 | Zig:26   | Noticed Ejeint the pandemonium lord
233045 | Zig:26   | Killed Huri the pandemonium lord
233045 | Zig:26   | Killed Tuget the pandemonium lord
233045 | Zig:26   | Noticed Kaicoc the pandemonium lord
233046 | Zig:26   | Killed Nytar the pandemonium lord
233046 | Zig:26   | Killed Isaleluym the pandemonium lord
233046 | Zig:26   | Killed Didis the pandemonium lord
233046 | Zig:26   | Killed Ejeint the pandemonium lord
233046 | Zig:26   | Killed Kiatsi Bode the pandemonium lord
233046 | Zig:26   | Noticed Ickamefo the pandemonium lord
233047 | Zig:26   | Noticed Ecruucvu the pandemonium lord
233048 | Zig:26   | Noticed Gofe the pandemonium lord
233048 | Zig:26   | Noticed Seach the pandemonium lord
233048 | Zig:26   | Noticed Qiodaw the pandemonium lord
233049 | Zig:26   | Killed Ecruucvu the pandemonium lord
233049 | Zig:26   | Killed Ickamefo the pandemonium lord
233049 | Zig:26   | Noticed Toisme the pandemonium lord
233050 | Zig:26   | Killed Kaicoc the pandemonium lord
233050 | Zig:26   | Killed Qiodaw the pandemonium lord
233050 | Zig:26   | Killed Seach the pandemonium lord
233050 | Zig:26   | Killed Ciuhiv the pandemonium lord
233050 | Zig:26   | Noticed Kofop the pandemonium lord
233051 | Zig:26   | Killed Gofe the pandemonium lord
233052 | Zig:26   | Noticed Receg the pandemonium lord
233052 | Zig:26   | Killed Toisme the pandemonium lord
233052 | Zig:26   | Noticed Covau the pandemonium lord
233053 | Zig:26   | Noticed Kiesiss the pandemonium lord
233053 | Zig:26   | Noticed Zeajesku the pandemonium lord
233053 | Zig:26   | Noticed Gaiwk the pandemonium lord
233053 | Zig:26   | Noticed Emuv the pandemonium lord
233054 | Zig:26   | Killed Kofop the pandemonium lord
233055 | Zig:26   | Noticed Zyegrenk the pandemonium lord
233055 | Zig:26   | Noticed Aler the pandemonium lord
233055 | Zig:26   | Noticed Wuppas the pandemonium lord
233055 | Zig:26   | Noticed Oguy the pandemonium lord
233055 | Zig:26   | Noticed Zuumur Ecav the pandemonium lord
233056 | Zig:26   | Killed Covau the pandemonium lord
233056 | Zig:26   | Killed Wuppas the pandemonium lord
233056 | Zig:26   | Killed Oguy the pandemonium lord
233056 | Zig:26   | Killed Aler the pandemonium lord
233057 | Zig:26   | Noticed Erobru the pandemonium lord
233057 | Zig:26   | Noticed Lerchue the pandemonium lord
233062 | Zig:26   | Killed Zeajesku the pandemonium lord
233065 | Zig:26   | Noticed Osujih the pandemonium lord
233066 | Zig:26   | Noticed Ogoasuet the pandemonium lord
233066 | Zig:26   | Noticed Emeuf the pandemonium lord
233066 | Zig:26   | Noticed Pofoh the pandemonium lord
233066 | Zig:26   | Noticed Veacisoi the pandemonium lord
233066 | Zig:26   | Noticed Sizxamyup the pandemonium lord
233066 | Zig:26   | Killed Emuv the pandemonium lord
233067 | Zig:26   | Killed Receg the pandemonium lord
233067 | Zig:26   | Killed Gaiwk the pandemonium lord
233067 | Zig:26   | Killed Zyegrenk the pandemonium lord
233068 | Zig:26   | Killed Kiesiss the pandemonium lord
233069 | Zig:26   | Killed Lerchue the pandemonium lord
233069 | Zig:26   | Killed Erobru the pandemonium lord
233070 | Zig:26   | Killed Sizxamyup the pandemonium lord
233071 | Zig:26   | Killed Osujih the pandemonium lord
233071 | Zig:26   | Killed Zuumur Ecav the pandemonium lord
233071 | Zig:26   | Noticed Okeelat the pandemonium lord
233072 | Zig:26   | Noticed Beppa the pandemonium lord
233072 | Zig:26   | Killed Emeuf the pandemonium lord
233072 | Zig:26   | Killed Pofoh the pandemonium lord
233072 | Zig:26   | Noticed Wiump the pandemonium lord
233073 | Zig:26   | Killed Veacisoi the pandemonium lord
233073 | Zig:26   | Killed Nomoipp the pandemonium lord
233074 | Zig:26   | Noticed Upelouj the pandemonium lord
233075 | Zig:26   | Noticed Maicke Loipt the pandemonium lord
233076 | Zig:26   | Killed Ogoasuet the pandemonium lord
233077 | Zig:26   | Killed Upelouj the pandemonium lord
233078 | Zig:26   | Killed Beppa the pandemonium lord
233078 | Zig:26   | Killed Maicke Loipt the pandemonium lord
233078 | Zig:26   | Killed Okeelat the pandemonium lord
233082 | Zig:26   | Killed Wiump the pandemonium lord
233551 | Zig:26   | Identified the amulet "Ulih" {RegenMP Harm Int+2}
233566 | Zig:26   | Identified the staff of earth "Koklurr" {rCorr Dex+5}
233569 | Zig:26   | Identified the +9 sling of Somewhere Else {flame, rElec rC+
                  | Will+ Int+3}
233575 | Zig:26   | Identified the +8 sling of Zyuhilai {flame, +Blink rElec
                  | Int-2 Dex+5}
233576 | Zig:26   | Identified the +7 short sword "Widowmaker" {holy, Str+3}
233579 | Zig:26   | Identified the +8 rapier of Twilight {vamp, *Slow rPois rF+
                  | Str+3}
233599 | Zig:26   | Identified the +7 battleaxe of Chaos {freeze, Str-4 Int+2
                  | Dex+4 Stlth+}
233614 | Zig:26   | Identified the +0 ring mail "Exatux" {Int+4}
233627 | Zig:27   | Entered Level 27 of a ziggurat
233665 | Zig:27   | Tricky101: XD
233690 | Zig:27   | Tricky101: ez
234136 | Zig:27   | Identified the +7 morningstar "Worm's Wrath" {elec, *Rage
                  | rElec Str+5 Stlth-}
234139 | Zig:27   | Identified the +1 robe of Defiance {-Cast Dex+3}
234140 | Zig:27   | Identified the staff of poison "Luipsud" {rPois rF++ Int+3}
234144 | Zig:27   | Identified the staff of fire "Voucam" {rF+ Will+}
234147 | Zig:27   | Identified the ring of Ogasagaf {rElec rPois rF+ Int+4
                  | SInv}
234152 | Zig:27   | Identified the +1 scale mail "Leocvou" {Dex+4}
234159 | Zig:27   | Tricky101: kk bro ima head out ima head home to shower to
                  | wake up before my tat
234170 | Zig:27   | Acquired 739 gold pieces
234172 | Zig:27   | shadowrider38: okieee
234172 | Zig:27   | shadowrider38: cya lata
234178 | Zig:27   | Identified the staff of air "Irghete" {rElec rF+ rCorr}
234189 | Zig:27   | Identified the +10 dagger "Impslayer" {heavy, Fly Str+3}
234197 | Zig:27   | Identified the amulet "Yquij" {RegenMP rElec MP-9 Dex+4}
234209 | Zig:27   | Identified the staff of earth "Baty" {Dex+4}
234267 | Zig:27   | Acquired 733 gold pieces
234487 | Depths:1 | Tricky101: ggs
234548 | Zig:1    | Entered Level 1 of a ziggurat
234618 | Zig:2    | Entered Level 2 of a ziggurat
234763 | Zig:3    | Entered Level 3 of a ziggurat
234763 | Zig:3    | Noticed a royal mummy
234763 | Zig:3    | Noticed a royal mummy
234763 | Zig:3    | Noticed a royal mummy
234763 | Zig:3    | Noticed a royal mummy
234763 | Zig:3    | Noticed a royal mummy
234763 | Zig:3    | Noticed a royal mummy
234764 | Zig:3    | Killed a royal mummy
234764 | Zig:3    | Killed a royal mummy
234764 | Zig:3    | Killed a royal mummy
234764 | Zig:3    | Killed a royal mummy
234766 | Zig:3    | Killed a royal mummy
234766 | Zig:3    | Killed a royal mummy
234766 | Zig:3    | Noticed a royal mummy
234772 | Zig:3    | Killed a royal mummy
234995 | Zig:4    | Entered Level 4 of a ziggurat
235215 | Zig:5    | Entered Level 5 of a ziggurat
235514 | Zig:6    | Entered Level 6 of a ziggurat
235760 | Zig:6    | Identified the +5 demon whip of Hoiteos {freeze, *Noise
                  | Str+6 Stlth+}
235772 | Zig:6    | Identified the +5 spear of Law {spect, *Corrode rPois
                  | Stlth+}
235801 | Zig:7    | Entered Level 7 of a ziggurat
236145 | Zig:8    | Entered Level 8 of a ziggurat
236352 | Zig:8    | Identified the +2 hand axe "Jot Yble" {freeze, Contam rElec
                  | rPois}
236362 | Zig:8    | Identified the +7 dagger of Indomitability {spect, rElec
                  | Str+3}
236418 | Zig:9    | Entered Level 9 of a ziggurat
236575 | Zig:9    | Identified the staff of air "Qinephuz" {+Blink rElec Will+}
236578 | Zig:9    | Identified the +5 robe of the Hunter {Will+ Str+2}
236582 | Zig:9    | Identified the +4 ring mail of a sewer {+Blink rPois rCorr
                  | Str-2 Int-4}
236586 | Zig:9    | Identified the staff of death "Ivyoqauv" {rN+ SInv}
236596 | Zig:9    | Identified the amulet "Mihoan" {-Tele rN+ Will+ Regen+
                  | Dex+2}
236806 | Zig:10   | Entered Level 10 of a ziggurat
237126 | Zig:10   | Identified the +3 dagger of the Sharing Gods {freeze, rN+
                  | Dex+2}
237143 | Zig:10   | Identified the ring of the Fuzzy Cherry {Fly Str+2 Int+3
                  | SInv}
237149 | Zig:10   | Identified the +1 battleaxe of Annoyance {holy, Str+6}
237151 | Zig:10   | Identified the +4 scale mail "Xiet" {Harm Dex-4 Slay-5
                  | Stlth+}
237153 | Zig:10   | Identified the +10 ring mail "Faak" {+Inv Dex+5}
237155 | Zig:10   | Identified the +9 quarterstaff of Disaster {antimagic, rF++
                  | Int+2 Stlth+}
237159 | Zig:10   | Identified the +7 morningstar "Orb Guardian's Foe" {spect,
                  | rC+ Int-2 SInv}
237163 | Zig:10   | Identified the +1 leather armour "Zuidd" {rElec rCorr
                  | Int+4}
237171 | Zig:10   | Identified the ring "Qysirok" {rF+ rCorr Dex+2}
237181 | Zig:10   | Identified the ring of Wecif {rElec rF+ Str-3 Int+3}
237187 | Zig:10   | Identified the ring "Awe Qoen" {rF+ rCorr}
237221 | Zig:11   | Entered Level 11 of a ziggurat
237392 | Zig:11   | Identified the +4 great sword "Kiemuth" {heavy, Int+3 Dex+3
                  | Stlth+}
237404 | Zig:11   | Identified the staff of cold "Wusi" {Fly rElec rPois rC+
                  | Int-2}
237705 | Zig:12   | Entered Level 12 of a ziggurat
237705 | Zig:12   | Noticed a dread lich
237705 | Zig:12   | Noticed a dread lich
237705 | Zig:12   | Noticed an ancient lich
237706 | Zig:12   | Noticed a dread lich
237708 | Zig:12   | Noticed an ancient lich
237708 | Zig:12   | Noticed a dread lich
237708 | Zig:12   | Noticed a dread lich
237709 | Zig:12   | Killed a dread lich
237709 | Zig:12   | Killed a dread lich
237709 | Zig:12   | Killed an ancient lich
237710 | Zig:12   | Killed an ancient lich
237710 | Zig:12   | Killed a dread lich
237710 | Zig:12   | Killed a dread lich
237710 | Zig:12   | Killed a dread lich
237712 | Zig:12   | Noticed an ancient lich
237713 | Zig:12   | Noticed a dread lich
237716 | Zig:12   | Killed an ancient lich
237717 | Zig:12   | Noticed an ancient lich
237717 | Zig:12   | Killed a dread lich
237717 | Zig:12   | Noticed an ancient lich
237718 | Zig:12   | Noticed an ancient lich
237720 | Zig:12   | Killed an ancient lich
237721 | Zig:12   | Killed an ancient lich
237722 | Zig:12   | Noticed a dread lich
237724 | Zig:12   | Killed an ancient lich
237724 | Zig:12   | Killed a dread lich
237728 | Zig:12   | Identified the staff of conjuration "Vizxomp" {rElec Int+6
                  | Dex-4}
238060 | Zig:12   | Identified the ring "Garr" {Wiz rElec}
238078 | Zig:12   | Identified the +1 robe "Yroqycw" {rPois rF+ rN+ Will-}
238133 | Zig:12   | Identified the +2 hand axe of Indignation {holy, Fly rPois
                  | rC+ Str+3}
238136 | Zig:12   | Identified the +5 rapier of Amortisation {freeze, rC+
                  | Will+++ Str-5 Stlth+}
238145 | Zig:12   | Identified the +6 ring mail of Hacaar {rN++ Str+3}
238153 | Zig:12   | Identified the +2 pair of boots "Igoridih" {Rampage Drain
                  | rN+++ Str+2}
238155 | Zig:12   | Identified the ring of Oraoxiuq {rElec rC+ Int+6}
238156 | Zig:12   | Identified the +10 flail of the Puffin {vamp, rElec Will+}
238164 | Zig:13   | Entered Level 13 of a ziggurat
238173 | Zig:13   | Noticed an ancient lich
238175 | Zig:13   | Noticed a dread lich
238194 | Zig:13   | Killed an ancient lich
238194 | Zig:13   | Killed a dread lich
238209 | Zig:13   | Noticed an ancient lich
238211 | Zig:13   | Killed an ancient lich
238477 | Zig:13   | Identified the staff of conjuration "Voygas" {Contam rN++
                  | Will+ Dex+2}
238500 | Zig:13   | Identified the +4 arbalest "Luteaq" {freeze, rF+ Int+3}
238505 | Zig:13   | Identified the staff of cold "Tamung" {rPois rC+ Str+4
                  | Int+2}
238513 | Zig:13   | Identified the staff of cold "Ristilie" {rC+ Int+3 Dex+3}
238720 | Zig:13   | Identified the +0 ring mail of Sunlight {Fly rPois rF-
                  | Slay-4}
238731 | Zig:14   | Entered Level 14 of a ziggurat
239107 | Zig:14   | Identified the +5 ring mail of Guosch {rF+ MP-9 Int+3
                  | Dex+2}
239118 | Zig:14   | Identified the +5 sling "Tutev" {flame, Str+2}
239130 | Zig:14   | Identified the +10 sling of Putrescence {heavy, rPois rF+++
                  | Dex-5 SInv}
239162 | Zig:14   | Identified the +6 scimitar "Kijeett" {protect, +Blink rPois
                  | Dex+8 Stlth-}
239164 | Zig:14   | Identified the staff of conjuration "Zamn" {rN+}
239168 | Zig:14   | Identified the ring "Utriadoc" {rF+ Str+3}
239176 | Zig:14   | Identified the +0 rapier of Lemonama {speed, rPois rF+ rC-}
239285 | Zig:15   | Entered Level 15 of a ziggurat
239287 | Zig:15   | Noticed an ancient lich
239287 | Zig:15   | Noticed an ancient lich
239287 | Zig:15   | Noticed an ancient lich
239287 | Zig:15   | Noticed an ancient lich
239288 | Zig:15   | Killed an ancient lich
239288 | Zig:15   | Killed an ancient lich
239288 | Zig:15   | Killed an ancient lich
239289 | Zig:15   | Noticed an ancient lich
239289 | Zig:15   | Noticed an ancient lich
239290 | Zig:15   | Noticed an ancient lich
239290 | Zig:15   | Noticed an ancient lich
239291 | Zig:15   | Killed an ancient lich
239291 | Zig:15   | Noticed an ancient lich
239291 | Zig:15   | Noticed an ancient lich
239292 | Zig:15   | Noticed an ancient lich
239292 | Zig:15   | Killed an ancient lich
239293 | Zig:15   | Killed an ancient lich
239293 | Zig:15   | Killed an ancient lich
239293 | Zig:15   | Killed an ancient lich
239295 | Zig:15   | Noticed an ancient lich
239296 | Zig:15   | Killed an ancient lich
239297 | Zig:15   | Killed an ancient lich
239297 | Zig:15   | Noticed an ancient lich
239298 | Zig:15   | Killed an ancient lich
239298 | Zig:15   | Killed an ancient lich
239299 | Zig:15   | Noticed an ancient lich
239299 | Zig:15   | Noticed an ancient lich
239300 | Zig:15   | Killed an ancient lich
239302 | Zig:15   | Noticed an ancient lich
239302 | Zig:15   | Noticed an ancient lich
239302 | Zig:15   | Killed an ancient lich
239303 | Zig:15   | Killed an ancient lich
239304 | Zig:15   | Killed an ancient lich
239305 | Zig:15   | Killed an ancient lich
239481 | Zig:15   | Identified the amulet "Ipukhargh" {Reflect *Corrode rPois
                  | rF+ Int+3 SH+5}
239484 | Zig:15   | Identified the +9 scimitar of Beyond {chaos, Drain Will++
                  | Dex+3}
239488 | Zig:15   | Identified the +6 battleaxe of Stickiness {antimagic, Dex+5
                  | SInv}
239490 | Zig:15   | Identified the staff of conjuration "Arim Qeps" {*Slow
                  | rCorr Int+3}
239491 | Zig:15   | Identified the ring "Dafinorho" {Wiz Slay+3 Stlth+}
239492 | Zig:15   | Identified the amulet "Beollin" {Reflect *Slow rC++ rN+
                  | SH+5}
239494 | Zig:15   | Identified the +6 mace of Miufuhasa {protect, rN+ Will+}
239498 | Zig:15   | Identified the staff of earth "Enaosytt" {Contam rN+ Str+3}
239509 | Zig:15   | Identified the +2 scimitar "Negid" {drain, Fragile Dex+3
                  | Stlth+}
239523 | Zig:15   | Identified the +2 falchion of the Eggplant {spect, rElec
                  | Int+6}
239531 | Zig:15   | Identified the +7 battleaxe of Nebru {drain, rF+ rCorr
                  | Dex+2}
239533 | Zig:15   | Identified the +1 flail "Tasm" {flame, rPois rC+ Int+3}
239766 | Zig:16   | Entered Level 16 of a ziggurat
239768 | Zig:16   | Noticed Ucrups's ghost (legendary MiFi)
239768 | Zig:16   | Noticed Uhosoup's ghost (veteran GrFi)
239768 | Zig:16   | Noticed Totuz's ghost (legendary HOFi)
239768 | Zig:16   | Noticed stevelinton's ghost (legendary KoBe)
239768 | Zig:16   | Noticed Rueful's ghost (legendary TrWr)
239768 | Zig:16   | Noticed Qatinlae's ghost (veteran DEFE)
239768 | Zig:16   | Noticed SevenDeadlySins's ghost (legendary DrCj)
239768 | Zig:16   | Noticed Zoplarin's ghost (legendary BaSk)
239768 | Zig:16   | Noticed astronautguy's ghost (master DEFE)
239768 | Zig:16   | Noticed melllvar's ghost (legendary MiBe)
239768 | Zig:16   | Noticed EricTams's ghost (veteran MiBe)
239769 | Zig:16   | Killed Qatinlae's ghost
239769 | Zig:16   | Noticed Kufiz's ghost (master GrCK)
239771 | Zig:16   | Noticed Unuchuin's ghost (legendary GnFi)
239771 | Zig:16   | Noticed Kucykkydd's ghost (legendary MiFi)
239771 | Zig:16   | Noticed stevelinton's ghost (legendary KoBe)
239771 | Zig:16   | Noticed Gemnonof's ghost (adept DgCj)
239771 | Zig:16   | Noticed Ucrups's ghost (legendary MiFi)
239771 | Zig:16   | Noticed Diezoyro's ghost (legendary DDNe)
239771 | Zig:16   | Noticed Fueng's ghost (legendary HOFi)
239771 | Zig:16   | Noticed Pikuto's ghost (adept MiBe)
239771 | Zig:16   | Noticed Waohesse's ghost (legendary VSFi)
239771 | Zig:16   | Noticed Likado's ghost (legendary GnSk)
239771 | Zig:16   | Noticed grandjackal's ghost (legendary DsGl)
239771 | Zig:16   | Noticed Pusocauss's ghost (legendary VSBe)
239771 | Zig:16   | Noticed Hillam's ghost (legendary DsTm)
239772 | Zig:16   | Noticed Unuchuin's ghost (legendary GnFi)
239772 | Zig:16   | Noticed GlasyaLabolas's ghost (legendary MiFi)
239772 | Zig:16   | Noticed Shayle's ghost (legendary GnHW)
239772 | Zig:16   | Noticed agentgt's ghost (legendary MiCK)
239772 | Zig:16   | Noticed Kalug's ghost (legendary DrFi)
239772 | Zig:16   | Noticed Janeylunn's ghost (veteran GnWn)
239772 | Zig:16   | Noticed Zonian's ghost (legendary HOFi)
239773 | Zig:16   | Killed Pusocauss's ghost
239773 | Zig:16   | Noticed Fugi's ghost (legendary FoFi)
239774 | Zig:16   | Noticed Rocah's ghost (veteran GrFi)
239774 | Zig:16   | Killed Uhosoup's ghost
239775 | Zig:16   | Killed SevenDeadlySins's ghost
239775 | Zig:16   | Killed Rueful's ghost
239775 | Zig:16   | Killed Totuz's ghost
239775 | Zig:16   | Killed stevelinton's ghost
239775 | Zig:16   | Killed Zoplarin's ghost
239775 | Zig:16   | Killed Hillam's ghost
239775 | Zig:16   | Noticed sleeves's ghost (legendary HuEE)
239775 | Zig:16   | Noticed Boduf's ghost (legendary FoHu)
239775 | Zig:16   | Noticed Zonian's ghost (legendary HOFi)
239775 | Zig:16   | Noticed Rirumasy's ghost (legendary OpWn)
239775 | Zig:16   | Noticed lukano's ghost (legendary GrFi)
239776 | Zig:16   | Killed melllvar's ghost
239776 | Zig:16   | Killed stevelinton's ghost
239776 | Zig:16   | Killed EricTams's ghost
239776 | Zig:16   | Noticed Kufiz's ghost (master GrCK)
239776 | Zig:16   | Noticed Anafel's ghost (legendary GrFi)
239777 | Zig:16   | Noticed Pusocauss's ghost (legendary VSBe)
239777 | Zig:16   | Noticed Veodywke's ghost (legendary MiBe)
239777 | Zig:16   | Noticed Ycuhohed's ghost (veteran TeBe)
239778 | Zig:16   | Killed Pikuto's ghost
239781 | Zig:16   | Killed agentgt's ghost
239781 | Zig:16   | Killed Ucrups's ghost
239783 | Zig:16   | Killed Ucrups's ghost
239783 | Zig:16   | Killed Unuchuin's ghost
239783 | Zig:16   | Killed Waohesse's ghost
239783 | Zig:16   | Killed grandjackal's ghost
239783 | Zig:16   | Killed Ycuhohed's ghost
239786 | Zig:16   | Killed Kufiz's ghost
239786 | Zig:16   | Killed Likado's ghost
239786 | Zig:16   | Killed Fueng's ghost
239786 | Zig:16   | Killed Unuchuin's ghost
239786 | Zig:16   | Killed astronautguy's ghost
239787 | Zig:16   | Noticed Xutext's ghost (adept DsAK)
239788 | Zig:16   | Noticed Wammos's ghost (legendary TeCj)
239788 | Zig:16   | Noticed Uhosoup's ghost (veteran GrFi)
239788 | Zig:16   | Noticed Nenig's ghost (legendary GnFi)
239788 | Zig:16   | Noticed Amikeex's ghost (adept TrMo)
239789 | Zig:16   | Noticed Becvyf's ghost (legendary GnFi)
239789 | Zig:16   | Killed Diezoyro's ghost
239790 | Zig:16   | Noticed Teaz Xo Upt's ghost (legendary GnFE)
239790 | Zig:16   | Noticed GlasyaLabolas's ghost (legendary MiFi)
239791 | Zig:16   | Killed Xutext's ghost
239791 | Zig:16   | Killed Kalug's ghost
239791 | Zig:16   | Noticed sleeves's ghost (legendary HuSk)
239792 | Zig:16   | Noticed frimble's ghost (legendary GrFi)
239792 | Zig:16   | Noticed corvin's ghost (legendary OgWn)
239792 | Zig:16   | Noticed thechecker02's ghost (master DDFi)
239793 | Zig:16   | Killed Teaz Xo Upt's ghost
239793 | Zig:16   | Killed Janeylunn's ghost
239793 | Zig:16   | Killed Gemnonof's ghost
239793 | Zig:16   | Killed Fugi's ghost
239793 | Zig:16   | Killed Anafel's ghost
239793 | Zig:16   | Killed Pusocauss's ghost
239793 | Zig:16   | Killed Becvyf's ghost
239794 | Zig:16   | Killed Kucykkydd's ghost
239794 | Zig:16   | Killed Rirumasy's ghost
239794 | Zig:16   | Noticed Zoplarin's ghost (legendary BaSk)
239794 | Zig:16   | Noticed Ycuhohed's ghost (veteran TeBe)
239794 | Zig:16   | Noticed Nenig's ghost (legendary GnFi)
239795 | Zig:16   | Killed GlasyaLabolas's ghost
239795 | Zig:16   | Killed Veodywke's ghost
239795 | Zig:16   | Killed Amikeex's ghost
239795 | Zig:16   | Noticed Totuz's ghost (legendary HOFi)
239795 | Zig:16   | Noticed Godueg's ghost (veteran HOFi)
239795 | Zig:16   | Noticed Barug's ghost (adept TrMo)
239796 | Zig:16   | Noticed Zonian's ghost (legendary HOFi)
239797 | Zig:16   | Killed sleeves's ghost
239801 | Zig:16   | Noticed Huju's ghost (legendary HOFi)
239803 | Zig:16   | Killed Rocah's ghost
239803 | Zig:16   | Killed Boduf's ghost
239803 | Zig:16   | Killed Uhosoup's ghost
239804 | Zig:16   | Killed frimble's ghost
239804 | Zig:16   | Killed Zonian's ghost
239804 | Zig:16   | Killed Shayle's ghost
239804 | Zig:16   | Noticed Rocah's ghost (veteran GrFi)
239804 | Zig:16   | Noticed deprived's ghost (legendary HOFi)
239805 | Zig:16   | Killed Wammos's ghost
239805 | Zig:16   | Killed sleeves's ghost
239805 | Zig:16   | Noticed BoringLoser's ghost (veteran TeAE)
239805 | Zig:16   | Noticed frimble's ghost (legendary DsFi)
239807 | Zig:16   | Killed lukano's ghost
239807 | Zig:16   | Killed Rocah's ghost
239807 | Zig:16   | Killed Nenig's ghost
239807 | Zig:16   | Killed GlasyaLabolas's ghost
239807 | Zig:16   | Noticed Teaz Xo Upt's ghost (legendary GnFE)
239807 | Zig:16   | Noticed thechecker02's ghost (legendary DDFi)
239807 | Zig:16   | Noticed Anafel's ghost (legendary GrFi)
239811 | Zig:16   | Noticed Haitsiopt's ghost (legendary DsGl)
239813 | Zig:16   | Noticed Gucom's ghost (veteran GnFi)
239813 | Zig:16   | Noticed Teaz Xo Upt's ghost (legendary GnFE)
239814 | Zig:16   | Noticed MrChinwatt's ghost (legendary DsWn)
239814 | Zig:16   | Noticed Saphesar's ghost (veteran DsFi)
239814 | Zig:16   | Noticed ragingrage's ghost (legendary OpFE)
239814 | Zig:16   | Noticed frimble's ghost (legendary GrFi)
239816 | Zig:16   | Killed deprived's ghost
239816 | Zig:16   | Killed Godueg's ghost
239816 | Zig:16   | Killed corvin's ghost
239816 | Zig:16   | Killed Nenig's ghost
239816 | Zig:16   | Killed Kufiz's ghost
239816 | Zig:16   | Killed Barug's ghost
239816 | Zig:16   | Killed Zonian's ghost
239816 | Zig:16   | Killed BoringLoser's ghost
239817 | Zig:16   | Noticed Amikeex's ghost (adept TrMo)
239817 | Zig:16   | Noticed Vuopse's ghost (legendary GnIE)
239817 | Zig:16   | Noticed grandjackal's ghost (legendary DsGl)
239817 | Zig:16   | Noticed sleeves's ghost (legendary DsFi)
239818 | Zig:16   | Killed Gucom's ghost
239818 | Zig:16   | Killed thechecker02's ghost
239818 | Zig:16   | Killed Teaz Xo Upt's ghost
239819 | Zig:16   | Noticed meatyocre's ghost (veteran TrFi)
239819 | Zig:16   | Noticed heteroy's ghost (legendary DsHu)
239819 | Zig:16   | Noticed Piginabag's ghost (legendary DsSk)
239819 | Zig:16   | Killed thechecker02's ghost
239819 | Zig:16   | Killed Zoplarin's ghost
239819 | Zig:16   | Noticed Valagong's ghost (legendary DsCj)
239820 | Zig:16   | Killed Zonian's ghost
239820 | Zig:16   | Killed Teaz Xo Upt's ghost
239820 | Zig:16   | Killed MrChinwatt's ghost
239820 | Zig:16   | Killed ragingrage's ghost
239821 | Zig:16   | Killed frimble's ghost
239821 | Zig:16   | Killed Totuz's ghost
239821 | Zig:16   | Killed Ycuhohed's ghost
239821 | Zig:16   | Killed Amikeex's ghost
239821 | Zig:16   | Killed frimble's ghost
239821 | Zig:16   | Killed Saphesar's ghost
239821 | Zig:16   | Killed Anafel's ghost
239822 | Zig:16   | Noticed Whoops's ghost (legendary FoFi)
239822 | Zig:16   | Noticed yaoilover's ghost (veteran MiBe)
239822 | Zig:16   | Noticed Gemnonof's ghost (adept DgCj)
239823 | Zig:16   | Killed sleeves's ghost
239823 | Zig:16   | Killed grandjackal's ghost
239823 | Zig:16   | Killed Haitsiopt's ghost
239824 | Zig:16   | Killed Vuopse's ghost
239824 | Zig:16   | Killed Huju's ghost
239826 | Zig:16   | Killed yaoilover's ghost
239832 | Zig:16   | Killed Whoops's ghost
239832 | Zig:16   | Killed Valagong's ghost
239832 | Zig:16   | Killed Piginabag's ghost
239832 | Zig:16   | Killed meatyocre's ghost
239832 | Zig:16   | Killed Gemnonof's ghost
239832 | Zig:16   | Killed heteroy's ghost
240257 | Zig:16   | Identified the ring of Vodka {*Slow rElec rPois rN+ Slay+3}
240262 | Zig:16   | Identified the ring of Dishonesty {rElec rC+ Will+ Dex+6}
240272 | Zig:16   | Identified the +12 great mace of Cefrax {freeze, rF++ Str+3
                  | Int+3}
240278 | Zig:16   | Identified the +6 rapier of Paiblin {elec, Dex+3 Stlth+}
240279 | Zig:16   | Identified the staff of earth "Peimmon" {rPois Str+3}
240283 | Zig:16   | Identified the staff of poison "Birgheox" {rPois Str+5
                  | Int+4}
240346 | Zig:17   | Entered Level 17 of a ziggurat
240354 | Zig:17   | Noticed a dread lich
240356 | Zig:17   | Killed a dread lich
240363 | Zig:17   | Noticed an ancient lich
240367 | Zig:17   | Killed an ancient lich
240854 | Zig:17   | Identified the staff of poison "Suwum" {rElec rPois Will-
                  | Str+9 Int+4}
240856 | Zig:17   | Identified the staff of cold "Cywoegalla" {rC+ Will- rCorr
                  | Str+5 Dex+3}
240871 | Zig:17   | Identified the +1 robe "Rezonif" {rPois Regen+ Str+4
                  | Stlth-}
240881 | Zig:17   | Identified the +8 great mace of Devealet {heavy, rN+ MP+9}
240883 | Zig:17   | Identified the +4 ring mail of Ymni {Rampage}
240895 | Zig:18   | Entered Level 18 of a ziggurat
241499 | Zig:18   | Identified the +7 war axe of Dithmenos, Fortifying
                  | {antimagic, rPois Str+4 Int+3 Dex+3}
241523 | Zig:18   | Identified the ring of Vehout {Fly rPois rC+ Str-3}
241534 | Zig:18   | Identified the staff of air "Peeril" {Drain rElec rPois
                  | rN++ rCorr}
241541 | Zig:18   | Identified the staff of conjuration "Fasheder" {rN++ Dex+2}
241546 | Zig:18   | Identified the +6 trident "Gawaahej" {heavy, rF+ MP+9}
241557 | Zig:19   | Entered Level 19 of a ziggurat
241557 | Zig:19   | Noticed a juggernaut
241557 | Zig:19   | Noticed a juggernaut
241557 | Zig:19   | Noticed a juggernaut
241557 | Zig:19   | Noticed a juggernaut
241557 | Zig:19   | Noticed a juggernaut
241557 | Zig:19   | Noticed a juggernaut
241557 | Zig:19   | Noticed a juggernaut
241557 | Zig:19   | Noticed a juggernaut
241557 | Zig:19   | Noticed a juggernaut
241557 | Zig:19   | Noticed a juggernaut
241557 | Zig:19   | Noticed a juggernaut
241557 | Zig:19   | Noticed a juggernaut
241558 | Zig:19   | Killed a juggernaut
241558 | Zig:19   | Killed a juggernaut
241558 | Zig:19   | Killed a juggernaut
241558 | Zig:19   | Killed a juggernaut
241558 | Zig:19   | Killed a juggernaut
241558 | Zig:19   | Killed a juggernaut
241558 | Zig:19   | Killed a juggernaut
241558 | Zig:19   | Killed a juggernaut
241558 | Zig:19   | Killed a juggernaut
241558 | Zig:19   | Killed a juggernaut
241561 | Zig:19   | Noticed a juggernaut
241561 | Zig:19   | Noticed a juggernaut
241561 | Zig:19   | Noticed a juggernaut
241562 | Zig:19   | Noticed a juggernaut
241563 | Zig:19   | Noticed a juggernaut
241563 | Zig:19   | Noticed a juggernaut
241563 | Zig:19   | Killed a juggernaut
241564 | Zig:19   | Noticed a juggernaut
241565 | Zig:19   | Noticed a juggernaut
241565 | Zig:19   | Noticed a juggernaut
241566 | Zig:19   | Noticed a juggernaut
241566 | Zig:19   | Killed a juggernaut
241566 | Zig:19   | Noticed a juggernaut
241567 | Zig:19   | Noticed a juggernaut
241567 | Zig:19   | Noticed a juggernaut
241567 | Zig:19   | Noticed a juggernaut
241567 | Zig:19   | Noticed a juggernaut
241567 | Zig:19   | Noticed a juggernaut
241567 | Zig:19   | Noticed a juggernaut
241568 | Zig:19   | Noticed a juggernaut
241568 | Zig:19   | Noticed a juggernaut
241568 | Zig:19   | Noticed a juggernaut
241569 | Zig:19   | Noticed a juggernaut
241569 | Zig:19   | Noticed a juggernaut
241570 | Zig:19   | Noticed a juggernaut
241571 | Zig:19   | Killed a juggernaut
241571 | Zig:19   | Killed a juggernaut
241571 | Zig:19   | Killed a juggernaut
241571 | Zig:19   | Killed a juggernaut
241571 | Zig:19   | Killed a juggernaut
241571 | Zig:19   | Killed a juggernaut
241571 | Zig:19   | Killed a juggernaut
241571 | Zig:19   | Killed a juggernaut
241571 | Zig:19   | Killed a juggernaut
241571 | Zig:19   | Killed a juggernaut
241571 | Zig:19   | Killed a juggernaut
241571 | Zig:19   | Killed a juggernaut
241571 | Zig:19   | Killed a juggernaut
241571 | Zig:19   | Noticed a juggernaut
241572 | Zig:19   | Noticed a juggernaut
241572 | Zig:19   | Noticed a juggernaut
241573 | Zig:19   | Noticed a juggernaut
241573 | Zig:19   | Noticed a juggernaut
241573 | Zig:19   | Noticed a juggernaut
241574 | Zig:19   | Noticed a juggernaut
241575 | Zig:19   | Noticed a juggernaut
241575 | Zig:19   | Killed a juggernaut
241576 | Zig:19   | Noticed a juggernaut
241576 | Zig:19   | Killed a juggernaut
241577 | Zig:19   | Noticed a juggernaut
241577 | Zig:19   | Noticed a juggernaut
241577 | Zig:19   | Killed a juggernaut
241577 | Zig:19   | Noticed a juggernaut
241578 | Zig:19   | Killed a juggernaut
241579 | Zig:19   | Noticed a juggernaut
241579 | Zig:19   | Noticed a juggernaut
241580 | Zig:19   | Killed a juggernaut
241580 | Zig:19   | Killed a juggernaut
241580 | Zig:19   | Killed a juggernaut
241580 | Zig:19   | Killed a juggernaut
241580 | Zig:19   | Killed a juggernaut
241580 | Zig:19   | Killed a juggernaut
241580 | Zig:19   | Killed a juggernaut
241580 | Zig:19   | Killed a juggernaut
241580 | Zig:19   | Killed a juggernaut
241580 | Zig:19   | Killed a juggernaut
241580 | Zig:19   | Killed a juggernaut
241580 | Zig:19   | Killed a juggernaut
241580 | Zig:19   | Killed a juggernaut
241580 | Zig:19   | Killed a juggernaut
241581 | Zig:19   | Noticed a juggernaut
241581 | Zig:19   | Killed a juggernaut
241581 | Zig:19   | Killed a juggernaut
241585 | Zig:19   | Killed a juggernaut
241586 | Zig:19   | Killed a juggernaut
241586 | Zig:19   | Killed a juggernaut
241590 | Zig:19   | Killed a juggernaut
241594 | Zig:19   | Killed a juggernaut
241774 | Zig:19   | Identified the +5 scale mail "Toaxzer" {Contam rF++ Will+
                  | Str+2}
241781 | Zig:19   | Identified the staff of earth "Hicowits" {rN+ MP-9 Int+6
                  | Dex+4}
241782 | Zig:19   | Identified the +5 great sword of Currency {drain, Dex+4}
241784 | Zig:19   | Identified the staff of conjuration "Yjuybla" {rPois}
241793 | Zig:19   | Identified the +7 falchion "Nucs" {heavy, rPois rF+ Stlth+}
241795 | Zig:19   | Identified the staff of conjuration "Edweug" {Will++ Dex+4}
241797 | Zig:19   | Identified the +7 mace of Ashenzari {heavy, rElec Int+6}
241813 | Zig:19   | Identified the ring "Ywykhebb" {rElec Str+6 Slay+2 Stlth+}
241855 | Zig:19   | Identified the amulet of the Morning {-Cast Fly Regen+
                  | Str+7 SInv}
242509 | Zig:20   | Entered Level 20 of a ziggurat
242525 | Zig:20   | aesen: fun
242887 | Zig:20   | aesen: &rc shadowrider38
242957 | Zig:20   | beem:
                  | https://cbro.berotato.org/rcfiles/crawl-0.30/shadowrider38.
                  | rc
243076 | Zig:20   | Identified the staff of cold "Wuamashroe" {rC+ rN+ Dex+3}
243082 | Zig:20   | Identified the staff of poison "Quistryw" {rPois Int+4}
243098 | Zig:20   | Identified the +6 quarterstaff of Tension {holy, +Blink
                  | rPois rF+ Dex-5}
243108 | Zig:20   | Identified the +0 ring mail of Pessimism {rC+ rN+ Int+2
                  | Dex-5}
243111 | Zig:20   | Identified the +1 glaive "Qeonler" {spect, rPois Will+
                  | Int+3}
243117 | Zig:20   | Identified the ring "Suwn" {rF+ MP-9 Dex+4 Stlth+}
243130 | Zig:20   | Identified the amulet "Zerchaga" {Rampage Regen+}
243138 | Zig:20   | Identified the +4 short sword of Pioseepi {protect, Int+3}
243141 | Zig:20   | Identified the ring of Feesizon {Wiz rElec}
243147 | Zig:20   | Identified the +3 dagger of Qazlal's Whim {venom, rElec
                  | Int+5}
243159 | Zig:20   | Identified the ring "Vyvef" {Contam rN+ AC+4 Int+4 Slay+2}
243195 | Zig:21   | Entered Level 21 of a ziggurat
243198 | Zig:21   | Noticed a dread lich
243199 | Zig:21   | Noticed a dread lich
243200 | Zig:21   | Noticed an ancient lich
243201 | Zig:21   | Noticed a dread lich
243201 | Zig:21   | Noticed an ancient lich
243201 | Zig:21   | Noticed an ancient lich
243202 | Zig:21   | Noticed an ancient lich
243203 | Zig:21   | Noticed a dread lich
243204 | Zig:21   | Killed a dread lich
243204 | Zig:21   | Killed an ancient lich
243204 | Zig:21   | Killed an ancient lich
243204 | Zig:21   | Killed a dread lich
243204 | Zig:21   | Noticed an ancient lich
243205 | Zig:21   | Noticed a dread lich
243206 | Zig:21   | Noticed an ancient lich
243206 | Zig:21   | Killed an ancient lich
243206 | Zig:21   | Killed a dread lich
243206 | Zig:21   | Noticed an ancient lich
243207 | Zig:21   | Noticed a dread lich
243207 | Zig:21   | Noticed an ancient lich
243207 | Zig:21   | Noticed an ancient lich
243208 | Zig:21   | Noticed an ancient lich
243208 | Zig:21   | Noticed a dread lich
243208 | Zig:21   | Noticed an ancient lich
243208 | Zig:21   | Noticed a dread lich
243208 | Zig:21   | Noticed a dread lich
243208 | Zig:21   | Killed an ancient lich
243208 | Zig:21   | Noticed an ancient lich
243209 | Zig:21   | Noticed an ancient lich
243209 | Zig:21   | Noticed a dread lich
243209 | Zig:21   | Noticed an ancient lich
243209 | Zig:21   | Noticed an ancient lich
243209 | Zig:21   | Noticed an ancient lich
243209 | Zig:21   | Killed an ancient lich
243210 | Zig:21   | Noticed a dread lich
243210 | Zig:21   | Noticed an ancient lich
243210 | Zig:21   | Noticed a dread lich
243210 | Zig:21   | Killed a dread lich
243211 | Zig:21   | Noticed a dread lich
243211 | Zig:21   | Noticed a dread lich
243211 | Zig:21   | Noticed a dread lich
243212 | Zig:21   | Killed an ancient lich
243212 | Zig:21   | Killed an ancient lich
243212 | Zig:21   | Killed a dread lich
243212 | Zig:21   | Killed a dread lich
243212 | Zig:21   | Killed a dread lich
243212 | Zig:21   | Killed an ancient lich
243213 | Zig:21   | Noticed a dread lich
243213 | Zig:21   | Noticed an ancient lich
243213 | Zig:21   | Noticed a dread lich
243213 | Zig:21   | Noticed a dread lich
243214 | Zig:21   | Noticed a dread lich
243214 | Zig:21   | Noticed an ancient lich
243214 | Zig:21   | Noticed an ancient lich
243214 | Zig:21   | Noticed an ancient lich
243214 | Zig:21   | Noticed a dread lich
243215 | Zig:21   | Noticed an ancient lich
243215 | Zig:21   | Noticed an ancient lich
243215 | Zig:21   | Noticed an ancient lich
243215 | Zig:21   | Noticed an ancient lich
243216 | Zig:21   | Killed a dread lich
243216 | Zig:21   | Killed a dread lich
243216 | Zig:21   | Killed an ancient lich
243216 | Zig:21   | Killed a dread lich
243216 | Zig:21   | Killed a dread lich
243216 | Zig:21   | Killed an ancient lich
243216 | Zig:21   | Killed an ancient lich
243216 | Zig:21   | Killed a dread lich
243216 | Zig:21   | Killed an ancient lich
243216 | Zig:21   | Killed an ancient lich
243216 | Zig:21   | Killed an ancient lich
243216 | Zig:21   | Killed a dread lich
243216 | Zig:21   | Killed an ancient lich
243216 | Zig:21   | Killed a dread lich
243216 | Zig:21   | Killed a dread lich
243216 | Zig:21   | Killed an ancient lich
243216 | Zig:21   | Killed an ancient lich
243216 | Zig:21   | Killed an ancient lich
243216 | Zig:21   | Killed a dread lich
243216 | Zig:21   | Killed a dread lich
243216 | Zig:21   | Noticed an ancient lich
243217 | Zig:21   | Noticed an ancient lich
243218 | Zig:21   | Noticed an ancient lich
243218 | Zig:21   | Noticed a dread lich
243220 | Zig:21   | Killed an ancient lich
243220 | Zig:21   | Killed an ancient lich
243221 | Zig:21   | Noticed an ancient lich
243221 | Zig:21   | Noticed an ancient lich
243221 | Zig:21   | Killed a dread lich
243221 | Zig:21   | Killed a dread lich
243222 | Zig:21   | Killed an ancient lich
243222 | Zig:21   | Killed an ancient lich
243222 | Zig:21   | Killed an ancient lich
243222 | Zig:21   | Killed an ancient lich
243222 | Zig:21   | Killed an ancient lich
243222 | Zig:21   | Killed an ancient lich
243222 | Zig:21   | Killed an ancient lich
243222 | Zig:21   | Killed a dread lich
243222 | Zig:21   | Noticed an ancient lich
243223 | Zig:21   | Killed an ancient lich
243223 | Zig:21   | Killed an ancient lich
243224 | Zig:21   | Killed an ancient lich
243224 | Zig:21   | Noticed an ancient lich
243229 | Zig:21   | Killed a dread lich
243233 | Zig:21   | Noticed an ancient lich
243234 | Zig:21   | Noticed an ancient lich
243238 | Zig:21   | Killed an ancient lich
243238 | Zig:21   | Killed an ancient lich
243241 | Zig:21   | Killed an ancient lich
243241 | Zig:21   | Killed an ancient lich
243490 | Zig:21   | shadowrider38: ohi
243490 | Zig:21   | shadowrider38: been a while
243490 | Zig:21   | Acquired the +1 pair of boots of Mutualism {Int+6}
243492 | Zig:21   | aesen: want some rc magic to make this more bearable
243492 | Zig:21   | shadowrider38: yes
243492 | Zig:21   | shadowrider38: i was waiting for you to show up
243492 | Zig:21   | shadowrider38: but you didn't
243492 | Zig:21   | aesen: lol
243493 | Zig:21   | aesen: ok gimme a sec
243508 | Zig:21   | aesen: &rc
243508 | Zig:21   | beem:
                  | https://CRAWL.XTAHUA.COM/crawl/rcfiles/crawl-0.30/aesen.rc
243518 | Zig:21   | shadowrider38: your rc is so much shorter
243518 | Zig:21   | shadowrider38: and yet you probably wrote more of it than i
                  | wrote of mine
243522 | Zig:21   | Identified the +0 ring mail of Negligence {rCorr Str+3
                  | Dex-4}
243537 | Zig:21   | Identified the staff of conjuration "Akkynnud" {rF+ Str+3
                  | Int-2 SInv}
243538 | Zig:21   | Identified the ring "Ymontugu" {Will+ Dex+2}
243539 | Zig:21   | Identified the staff of fire "Ohoyplol" {rF+ rC+}
243542 | Zig:21   | Identified the +8 trident of the Wilderness {venom, rC+
                  | rCorr Str-3 Dex+6}
243595 | Zig:21   | Identified the +4 falchion "War Raops" {heavy, Str+6 SInv
                  | Stlth+}
243622 | Zig:21   | Identified the +0 swamp dragon scales "Janain" {Harm rPois
                  | rF+ Int+3}
243645 | Zig:21   | Identified the +6 spear "Orooriaqaem" {elec, rF+}
243923 | Zig:21   | Identified the +0 ring mail "Sywidwaq" {-Cast Regen+ Dex+2}
243965 | Zig:22   | Entered Level 22 of a ziggurat
244681 | Zig:22   | Identified the staff of fire "Xoanyixe" {*Slow rPois rF+
                  | rCorr}
244700 | Zig:22   | Identified the ring of Dorulas {rElec rC+ Will+ Str-5
                  | Int+6}
244704 | Zig:22   | Identified the amulet "Etaimeita" {Spirit rN++ Str+3
                  | Stlth-}
244705 | Zig:22   | aesen: do you use f2 for anything
244705 | Zig:22   | aesen: or better, give me a key you dont use
244705 | Zig:22   | shadowrider38: no
244705 | Zig:22   | shadowrider38: uh
244705 | Zig:22   | shadowrider38: i feel like i use all of them
244705 | Zig:22   | shadowrider38: except numbers
244705 | Zig:22   | aesen: 9?
244705 | Zig:22   | shadowrider38: nope
244705 | Zig:22   | shadowrider38: i only have used 1 this game
244705 | Zig:22   | shadowrider38: at least for zig
244706 | Zig:22   | Identified the staff of poison "Uxkahec" {rPois Int+3
                  | Dex+3}
244707 | Zig:22   | Identified the +7 rapier of the Harvest {flame, rC- rN+
                  | Str+2}
244708 | Zig:22   | Identified the +6 plate armour "Viasam" {rElec}
244727 | Zig:22   | Identified the +2 battleaxe "Piblem" {holy, *Noise rC+ rN+
                  | Dex+2}
244732 | Zig:22   | Identified the ring "Odatooto" {rN+ Str+4}
244745 | Zig:22   | Identified the +9 mace of the Fox {holy, rElec Dex+4 SInv}
244748 | Zig:22   | Identified the +5 morningstar of Nony {speed, rC- rN++
                  | Dex+4}
244754 | Zig:22   | Identified the +7 longbow "Plog" {drain, rC++ Str+4}
244755 | Zig:22   | Identified the ring "Zuoptugh" {rElec rCorr Int+6 Dex-2}
244762 | Zig:22   | Identified the +4 dire flail "Naepp" {spect, rCorr Int+3}
244796 | Zig:22   | Identified the amulet "Rareo" {RegenMP -Tele rPois rN+
                  | Int+2}
244900 | Zig:22   | aesen: your rc file has bound f2 multiple times
244901 | Zig:22   | aesen: so i wasnt sure
244901 | Zig:22   | shadowrider38: ah
244901 | Zig:22   | shadowrider38: i have not used it ever
244901 | Zig:22   | shadowrider38: yermak had me copy most of it
244901 | Zig:22   | shadowrider38: so it means it includes stuff i dont even
                  | know about
244902 | Zig:23   | Entered Level 23 of a ziggurat
244927 | Zig:23   | aesen: ok
244939 | Zig:23   | aesen: im reading your rc file and you might not even need
                  | to change anything
244947 | Zig:23   | Paralysed by accursed screaming for 1 turns
245200 | Zig:23   | shadowrider38: oh nice lol
245215 | Zig:23   | Identified the +2 flail of Reinforcement {pain, Contam
                  | rElec Str+3 SInv}
245217 | Zig:23   | Identified the +7 shortbow "Wuloil" {antimagic, Fly rN+
                  | Int-2}
245219 | Zig:23   | Identified the amulet "Ymisy" {Spirit rF- Int+8}
245221 | Zig:23   | Identified the staff of death "Sakhod" {Fragile rN+ Int+2
                  | Dex+3 SInv}
245222 | Zig:23   | Identified the +1 long sword of the Spheres {protect,
                  | Will+}
245234 | Zig:23   | Identified the staff of earth "Iddivv Hyen" {*Slow rElec
                  | rC- Str+9}
245247 | Zig:23   | Identified the ring "Kosuedir" {rN+ Int+6}
245274 | Zig:23   | Identified the +7 long sword "Xaoj" {flame, Will- Dex+4}
245428 | Zig:23   | Identified the +0 broad axe of Mastery {venom, rPois Dex+3}
245430 | Zig:23   | aesen: press f10
245432 | Zig:23   | Identified the +10 plate armour "Sianeosi" {rPois Dex+3}
245445 | Zig:23   | Identified the +2 dire flail of Kemposh {heavy, +Blink
                  | rElec}
245446 | Zig:23   | Identified the +4 great sword "Conservator" {protect,
                  | Int+4}
245447 | Zig:23   | shadowrider38: interesting
245883 | Zig:23   | aesen: thats the --more-- on enemy in sight
245885 | Zig:24   | Entered Level 24 of a ziggurat
245889 | Zig:24   | aesen: try ctrl+y? im not sure if thats right
245889 | Zig:24   | aesen: only try when not in danger
245889 | Zig:24   | shadowrider38: yeah
245943 | Zig:24   | aesen: ok yermaks rc doesnt include animations
245948 | Zig:24   | aesen: if you want it convenient youll have to change some
                  | things
245967 | Zig:24   | aesen: and by change i just mean copy paste
246112 | Zig:24   | shadowrider38: cool
246112 | Zig:24   | shadowrider38: whats convenient mean
246390 | Zig:24   | Identified the +11 war axe of Iqelax {freeze, rElec Will+++
                  | Str-4 Stlth-}
246410 | Zig:24   | Identified the staff of earth "Esoul Gax" {Fragile +Blink
                  | rCorr Str-5}
246411 | Zig:24   | Identified the +1 dagger "Arbiter" {spect, Drain Int+3
                  | Dex+2}
246412 | Zig:24   | Identified the staff of conjuration "Wasuveu" {rElec Dex+5}
246413 | Zig:24   | Identified the ring "Mizxoi" {EV+5 Int+3}
246414 | Zig:24   | Identified the +4 lajatang "Turywewk" {protect, rC+ SInv}
246415 | Zig:24   | Identified the +3 falchion of Deformation {pain, *Slow
                  | rC++}
246416 | Zig:24   | aesen: 1 button press
246420 | Zig:24   | Identified the +1 battleaxe "Poxoczub" {venom, Int+3 Dex+2}
246431 | Zig:24   | Identified the +1 robe of Duck's Teeth {*Corrode rN++}
246432 | Zig:24   | Identified the amulet "Jomua" {Faith Harm +Inv rF- Str+5}
246434 | Zig:24   | Identified the +5 flail of Arrival {flame, Will+}
246454 | Zig:24   | Identified the ring "Wuleh" {Fly Str+2 Int+3 Dex+6 Stlth+}
246578 | Zig:24   | shadowrider38: yay
246578 | Zig:24   | shadowrider38: that sounds convenient
246582 | Zig:25   | Entered Level 25 of a ziggurat
246609 | Zig:25   | aesen: https://pastebin.com/EbNDfvQ9
246810 | Zig:25   | aesen: just paste that at the end
246810 | Zig:25   | aesen: all of it
246810 | Zig:25   | shadowrider38: thats what control y does btw
246810 | Zig:25   | shadowrider38: ok
246810 | Zig:25   | shadowrider38: the control y thing is really annoying btw
246810 | Zig:25   | shadowrider38: i try to attack
246810 | Zig:25   | shadowrider38: force attack
246810 | Zig:25   | shadowrider38: and i cant
246810 | Zig:25   | aesen: yeah
246810 | Zig:25   | aesen: thats why i was curious
246810 | Zig:25   | shadowrider38: i just deal with it
246810 | Zig:25   | shadowrider38: in the past
246810 | Zig:25   | aesen: do you want to remove it?
246810 | Zig:25   | shadowrider38: i will go through it soon
246810 | Zig:25   | shadowrider38: and change the stuff i dont want
246810 | Zig:25   | shadowrider38: ok lemme add this brb
246810 | Zig:25   | aesen: press f6
246810 | Zig:25   | aesen: see, i dont get this error message
246810 | Zig:25   | aesen: its only online
246810 | Zig:25   | shadowrider38: &rc
246810 | Zig:25   | beem:
                  | https://cbro.berotato.org/rcfiles/crawl-0.30/shadowrider38.
                  | rc
246810 | Zig:25   | shadowrider38: oh well?
246810 | Zig:25   | shadowrider38: idk lol
247099 | Zig:25   | Identified the ring of the Devil's Advocate {rElec rPois
                  | Str-4 Int+2 Dex+2}
247100 | Zig:25   | Identified the +1 leather armour "Vitog" {rC+ Int+4 Slay+3}
247101 | Zig:25   | Identified the +3 great sword "Asawis" {heavy, Int+4 Dex+3}
247129 | Zig:25   | Identified the +0 ring mail of Yklerus {rF+ Str+2}
247130 | Zig:25   | shadowrider38: can i make so that
247130 | Zig:25   | shadowrider38: it just collects everything
247130 | Zig:25   | shadowrider38: and i dont have to keep clicking o
247130 | Zig:25   | Identified the ring "Enuigg" {rPois rF+}
247133 | Zig:25   | Identified the ring of Law {rN+ Str+4}
247147 | Zig:25   | Identified the ring of Xom's Full Attention {rF+ AC+4 Str+6
                  | Int+5}
247149 | Zig:25   | Identified the staff of air "Acopt" {rElec rC+ Int+3 Dex+3}
247178 | Zig:25   | Identified the staff of cold "Fyop" {rC+ Dex+6}
247189 | Zig:25   | Identified the amulet of Secrets {Faith rElec Int+2 Dex-4}
247194 | Zig:25   | Identified the +7 short sword "Qadeakef" {flame, rC+}
247283 | Zig:25   | aesen: sure, ill look into it
247651 | Zig:25   | shadowrider38: you da best
247695 | Zig:26   | Entered Level 26 of a ziggurat
247702 | Zig:26   | Noticed a dread lich
247705 | Zig:26   | Noticed a dread lich
247705 | Zig:26   | Noticed a dread lich
247706 | Zig:26   | Killed a dread lich
247708 | Zig:26   | Killed a dread lich
247711 | Zig:26   | Noticed an ancient lich
247713 | Zig:26   | Killed a dread lich
247717 | Zig:26   | Paralysed by a wendigo for 1 turns
247719 | Zig:26   | Noticed an ancient lich
247720 | Zig:26   | Noticed an ancient lich
247721 | Zig:26   | Killed an ancient lich
247723 | Zig:26   | Paralysed by a wendigo for 1 turns
247726 | Zig:26   | Killed an ancient lich
247727 | Zig:26   | Killed an ancient lich
247737 | Zig:26   | aesen: btw the use_animations = 0 giving an error doesnt
                  | make sense
247738 | Zig:26   | Paralysed by a wendigo for 1 turns
247752 | Zig:26   | aesen: its listed as the only way to disable animations
247755 | Zig:26   | aesen: IN the docs
248316 | Zig:26   | Identified the amulet "Ecky" {Reflect Rampage rElec Str+5
                  | SH+5}
248318 | Zig:26   | Identified the +7 mace of Hookkyh {flame, *Noise Int+8
                  | Dex-5 SInv}
248340 | Zig:26   | Identified the +6 war axe of the Morning {protect, rC-
                  | Str+3 Int+2}
248344 | Zig:26   | Identified the staff of death "Cyumia" {rN+ Str+3 Int+3
                  | Dex+3}
248345 | Zig:26   | Identified the +5 broad axe of the Forging Queen {freeze,
                  | Fragile rCorr Dex+2 Stlth+}
248350 | Zig:26   | Identified the +4 scale mail of Morality {Rampage SInv}
248356 | Zig:26   | Identified the +10 spear of Puckish Duty {flame, Drain rF++
                  | rCorr SInv}
248360 | Zig:26   | Identified the +0 scale mail "Zuss" {rElec MP+9 SInv}
248362 | Zig:26   | Identified the +2 cloak "Copp" {Int+4}
248409 | Zig:26   | Identified the staff of conjuration "Buurell" {rN++ Will+
                  | Dex-3 SInv}
248410 | Zig:26   | Identified the staff of poison "Paminoc" {rPois rCorr Int+3
                  | Dex+2}
248567 | Zig:26   | shadowrider38: heh
248572 | Zig:27   | Entered Level 27 of a ziggurat
248625 | Zig:27   | aesen: ok
248628 | Zig:27   | aesen: crawl.setopt("explore_stop = 0")
248628 | Zig:27   | aesen: insert that above the line that says "
                  | crawl.mpr("Zigmode is on.")"
248628 | Zig:27   | shadowrider38: ok
248628 | Zig:27   | shadowrider38: also what drain my mp
248628 | Zig:27   | shadowrider38: thought im invis
248628 | Zig:27   | shadowrider38: ok lemme add that
248628 | Zig:27   | aesen: are those invis enemies
248628 | Zig:27   | shadowrider38: yeah
248628 | Zig:27   | shadowrider38: hold on
248628 | Zig:27   | shadowrider38: wait
248628 | Zig:27   | shadowrider38: i accidentally
248628 | Zig:27   | shadowrider38: didnt copy that
248628 | Zig:27   | shadowrider38: lol
248628 | Zig:27   | aesen: lol
248628 | Zig:27   | aesen: crawl.setopt("explore_stop = 0")
248628 | Zig:27   | aesen: above "Zigmode is on"
248628 | Zig:27   | shadowrider38: k thanl
248628 | Zig:27   | aesen: how are they invis
248628 | Zig:27   | aesen: and moths arent
248628 | Zig:27   | shadowrider38: good question
248628 | Zig:27   | shadowrider38: i dont have sing tho
248628 | Zig:27   | shadowrider38: sinv
248628 | Zig:27   | aesen: ??????
248628 | Zig:27   | aesen: need to press f6 once when resuming game
248628 | Zig:27   | aesen: for zigmode
248684 | Zig:27   | aesen: i think those errors are fine
248684 | Zig:27   | shadowrider38: rip
248684 | Zig:27   | aesen: press o
249504 | Zig:27   | Identified the +9 spear "Maplipue" {antimagic, rF+ Int+7
                  | Dex-3}
249505 | Zig:27   | aesen: heh
249505 | Zig:27   | shadowrider38: whoa
249505 | Zig:27   | aesen: youre welcome
249505 | Zig:27   | shadowrider38: thank you
249505 | Zig:27   | shadowrider38: i am forever in your debt
249505 | Zig:27   | shadowrider38: i will name my child after you
249505 | Zig:27   | aesen: so the errors are actually false
249507 | Zig:27   | Identified the +1 robe of Renk {+Blink}
249515 | Zig:27   | aesen: since, obviously, it worked
249528 | Zig:27   | Identified the +10 war axe of Resourcefulness {flame, Drain
                  | Str+2 Dex+6}
249531 | Zig:27   | Identified the +4 shortbow of the Pits of Slime {drain,
                  | rCorr}
249534 | Zig:27   | Identified the +2 leather armour of Eternal Vigilance {Fly
                  | rC++ rCorr Dex-4}
249536 | Zig:27   | Identified the +0 dagger "Muskenah" {pain, rN+}
249538 | Zig:27   | Identified the +7 flail of Profit {freeze, Str+4 Dex+2}
249681 | Zig:1    | Entered Level 1 of a ziggurat
249681 | Zig:1    | Noticed Dimuebola the pandemonium lord
249687 | Zig:1    | Killed Dimuebola the pandemonium lord
249850 | Zig:2    | Entered Level 2 of a ziggurat
249996 | Zig:3    | Entered Level 3 of a ziggurat
249996 | Zig:3    | Noticed a royal mummy
249996 | Zig:3    | Noticed a royal mummy
249996 | Zig:3    | Noticed a royal mummy
249996 | Zig:3    | Noticed a royal mummy
249997 | Zig:3    | Killed a royal mummy
249997 | Zig:3    | Killed a royal mummy
249997 | Zig:3    | Killed a royal mummy
249997 | Zig:3    | Noticed an ancient lich
250000 | Zig:3    | Killed a royal mummy
250006 | Zig:3    | Killed an ancient lich
250063 | Zig:3    | Identified the ring "Toakyjom" {Wiz Fly Dex-3 Stlth+}
250067 | Zig:3    | Identified the +11 rapier "Ceshrahocw" {flame, rF- rN++
                  | Int-4 SInv}
250071 | Zig:3    | Identified the +7 chain mail of the Spider Nest {rPois
                  | rCorr Int+4}
250202 | Zig:4    | Entered Level 4 of a ziggurat
250468 | Zig:4    | Identified the +0 kite shield "Husigo" {Rampage}
250493 | Zig:5    | Entered Level 5 of a ziggurat
250495 | Zig:5    | Paralysed by an air elemental for 1 turns
250840 | Zig:5    | Identified the +1 short sword of Linanul {heavy, Fly Will+}
250853 | Zig:5    | Identified the +6 glaive of Ganoming {freeze, rC+ Int+5}
250993 | Zig:6    | Entered Level 6 of a ziggurat
251255 | Zig:6    | Identified the +4 demon whip "Killer Bee's Death" {elec,
                  | rElec}
251259 | Zig:6    | Identified the staff of conjuration "Nyisupont" {rPois
                  | rF+++ Str-5 Dex+3}
251276 | Zig:7    | Entered Level 7 of a ziggurat
251399 | Zig:7    | Identified the +0 robe "Deojitoy" {+Blink rC++ Stlth-}
251409 | Zig:7    | Identified the +1 robe of the Guild-Master {rPois Regen+
                  | Int-2 Dex+4}
251604 | Zig:8    | Entered Level 8 of a ziggurat
251812 | Zig:8    | Identified the ring of Honesty {rF+ rC- Int+5 Slay+2}
252062 | Zig:8    | Identified the +5 dagger "Luxysch" {protect, rElec Dex+3}
252066 | Zig:8    | Identified the staff of death "Ibryg" {rN+ Str+2}
252078 | Zig:8    | Identified the +1 dagger "Visakisic" {speed, rN+}
252122 | Zig:8    | aesen: surprised youre using a shield
252122 | Zig:8    | shadowrider38: whysat
252122 | Zig:8    | aesen: orb of mayhem
252122 | Zig:8    | aesen: and dchan
252122 | Zig:8    | aesen: those are recent zig strats
252122 | Zig:8    | shadowrider38: oh
252122 | Zig:8    | shadowrider38: how recent is recent
252122 | Zig:8    | aesen: since orbs are introduced
252122 | Zig:8    | shadowrider38: i dont know strategies
252122 | Zig:8    | shadowrider38: i was sorta following canines guide
252122 | Zig:8    | shadowrider38: if youve seen it
252123 | Zig:9    | Entered Level 9 of a ziggurat
252123 | Zig:9    | Noticed a juggernaut
252123 | Zig:9    | Noticed a juggernaut
252123 | Zig:9    | Noticed a juggernaut
252123 | Zig:9    | Noticed a juggernaut
252123 | Zig:9    | Noticed a juggernaut
252123 | Zig:9    | Noticed a juggernaut
252123 | Zig:9    | Noticed a juggernaut
252124 | Zig:9    | Killed a juggernaut
252124 | Zig:9    | Killed a juggernaut
252124 | Zig:9    | Killed a juggernaut
252124 | Zig:9    | Killed a juggernaut
252124 | Zig:9    | Killed a juggernaut
252124 | Zig:9    | Noticed a juggernaut
252125 | Zig:9    | Noticed a juggernaut
252125 | Zig:9    | Noticed a juggernaut
252126 | Zig:9    | Killed a juggernaut
252127 | Zig:9    | Noticed a juggernaut
252127 | Zig:9    | Killed a juggernaut
252128 | Zig:9    | Noticed a juggernaut
252128 | Zig:9    | Noticed a juggernaut
252129 | Zig:9    | Killed a juggernaut
252130 | Zig:9    | Killed a juggernaut
252131 | Zig:9    | Noticed a juggernaut
252131 | Zig:9    | Killed a juggernaut
252131 | Zig:9    | Killed a juggernaut
252131 | Zig:9    | Killed a juggernaut
252132 | Zig:9    | Killed a juggernaut
252138 | Zig:9    | Killed a juggernaut
252405 | Zig:9    | Identified the +7 shortbow "Nuoqiecuir" {freeze, rPois}
252418 | Zig:9    | Identified the ring "Folof" {*Corrode rN++ Int+6 Dex+4}
252426 | Zig:9    | Identified the +2 chain mail "Nuxtor" {rC+ Str+5}
252619 | Zig:9    | Identified the +9 morningstar of the Saviour {heavy, rPois
                  | rC+}
252643 | Zig:10   | Entered Level 10 of a ziggurat
252648 | Zig:10   | aesen: nop
252650 | Zig:10   | Noticed a dread lich
252650 | Zig:10   | Killed a dread lich
252655 | Zig:10   | Noticed a dread lich
252659 | Zig:10   | Killed a dread lich
252666 | Zig:10   | Found the +7 Kryia's mail coat {PotionHeal*2 rC+}
253045 | Zig:10   | Identified the +10 flail of the Eternal Warrior {freeze,
                  | Int+2}
253046 | Zig:10   | aesen:
                  | https://underhound.eu/crawl/morgue/kuniqs/morgue-kuniqs-202
                  | 30516-171027.txt
253071 | Zig:10   | Identified the +1 rapier of Past Mistakes {holy, rPois rN+
                  | Dex+3}
253074 | Zig:10   | Identified the +0 robe of Words of Power {rF+ Dex+3 SInv}
253107 | Zig:10   | aesen: another used reflect tower shield
253107 | Zig:10   | aesen: both are fine
253107 | Zig:10   | shadowrider38: what does mayhem do
253108 | Zig:10   | shadowrider38: never used an orb except light lol
253109 | Zig:11   | Entered Level 11 of a ziggurat
253109 | Zig:11   | Noticed an ancient lich
253109 | Zig:11   | Noticed an ancient lich
253109 | Zig:11   | Noticed an ancient lich
253111 | Zig:11   | Noticed an ancient lich
253112 | Zig:11   | Noticed an ancient lich
253113 | Zig:11   | Killed an ancient lich
253113 | Zig:11   | Killed an ancient lich
253113 | Zig:11   | Killed an ancient lich
253113 | Zig:11   | Killed an ancient lich
253114 | Zig:11   | Noticed an ancient lich
253114 | Zig:11   | Noticed an ancient lich
253114 | Zig:11   | Noticed an ancient lich
253115 | Zig:11   | Noticed an ancient lich
253115 | Zig:11   | Noticed an ancient lich
253116 | Zig:11   | Killed an ancient lich
253117 | Zig:11   | Killed an ancient lich
253117 | Zig:11   | Killed an ancient lich
253117 | Zig:11   | Killed an ancient lich
253117 | Zig:11   | Killed an ancient lich
253117 | Zig:11   | Killed an ancient lich
253118 | Zig:11   | Noticed an ancient lich
253121 | Zig:11   | Killed an ancient lich
253121 | Zig:11   | Noticed an ancient lich
253125 | Zig:11   | Noticed an ancient lich
253125 | Zig:11   | Noticed an ancient lich
253126 | Zig:11   | Killed an ancient lich
253131 | Zig:11   | Killed an ancient lich
253133 | Zig:11   | aesen: anytime you kill something, it makes an enemy go
                  | neutral and berserk i think
253133 | Zig:11   | Killed an ancient lich
253376 | Zig:11   | aesen: so it makes the floor neutral and kill itself
253376 | Zig:11   | shadowrider38: see i guess im more worried about the
                  | silence floors
253376 | Zig:11   | shadowrider38: all the other floors are pretty
                  | straightforward
253376 | Zig:11   | aesen: i guess
253376 | Zig:11   | shadowrider38: and so having more defense makes me feel
                  | better in those cases
253595 | Zig:11   | Identified the ring of the Moon {rElec rPois rF- Slay+4}
253601 | Zig:11   | Identified the staff of poison "Puifise" {rPois rC+++
                  | Str+2}
253602 | Zig:11   | Identified the +8 flail "Imp's Demise" {antimagic, Will+
                  | rCorr}
253609 | Zig:11   | Identified the +7 quarterstaff "Ydghetin" {holy, Fly}
253610 | Zig:11   | Identified the scarf "Duovuiri" {+Inv, Rampage}
253612 | Zig:11   | Identified the +2 spear of the Loving Hummingbird {heavy,
                  | rC+ MP+9}
253640 | Zig:11   | aesen: do you have all evo items
253640 | Zig:11   | aesen: ok
253641 | Zig:12   | Entered Level 12 of a ziggurat
253642 | Zig:12   | shadowrider38: oh
253642 | Zig:12   | aesen: SUN MOTH
253642 | Zig:12   | aesen: thats why
253642 | Zig:12   | aesen: duh
253642 | Zig:12   | aesen: they glow and reveal invis enemies
253642 | Zig:12   | shadowrider38: ah
253651 | Zig:12   | aesen: still, dchan would help
254009 | Zig:12   | Identified the +9 war axe "Tiettuph" {heavy, rElec rPois
                  | rCorr}
254033 | Zig:12   | Identified the staff of death "Rihio" {rElec rN+ Str+5
                  | Dex+3 SInv}
254087 | Zig:12   | Identified the +0 leather armour of Defence {rElec rF++
                  | SInv}
254124 | Zig:12   | shadowrider38: i would but
254124 | Zig:12   | shadowrider38: it seems more tedious
254124 | Zig:12   | aesen: lol i guess
254124 | Zig:12   | shadowrider38: and i know someone who did 27 without so
254124 | Zig:12   | shadowrider38: if they can i can do it better
254125 | Zig:12   | shadowrider38: inb4 death on next floor
254128 | Zig:13   | Entered Level 13 of a ziggurat
254129 | Zig:13   | Noticed an ancient lich
254131 | Zig:13   | Noticed an ancient lich
254133 | Zig:13   | Noticed an ancient lich
254133 | Zig:13   | Noticed an ancient lich
254134 | Zig:13   | Killed an ancient lich
254136 | Zig:13   | Killed an ancient lich
254136 | Zig:13   | Killed an ancient lich
254136 | Zig:13   | Noticed an ancient lich
254138 | Zig:13   | Noticed an ancient lich
254138 | Zig:13   | Noticed an ancient lich
254140 | Zig:13   | Killed an ancient lich
254140 | Zig:13   | Killed an ancient lich
254141 | Zig:13   | Noticed an ancient lich
254142 | Zig:13   | Noticed an ancient lich
254147 | Zig:13   | Noticed an ancient lich
254147 | Zig:13   | Killed an ancient lich
254148 | Zig:13   | Killed an ancient lich
254148 | Zig:13   | Killed an ancient lich
254148 | Zig:13   | Killed an ancient lich
254149 | Zig:13   | Killed an ancient lich
254490 | Zig:13   | Identified the +3 scale mail of Fortitude {Str+4}
254493 | Zig:13   | Identified the ring "Corient" {rElec rN+ MP+9 Str+3 Int-5}
254538 | Zig:13   | Identified the +2 trident of Kuusurul {drain, Will+++ Int+5
                  | Dex-5}
254541 | Zig:13   | aesen: yep
254679 | Zig:13   | shadowrider38: also
254679 | Zig:13   | shadowrider38: is it a thing
254679 | Zig:13   | shadowrider38: that eventually you are supposed to stop
                  | collecting gold
254679 | Zig:13   | shadowrider38: or am i making that up
254684 | Zig:14   | Entered Level 14 of a ziggurat
255221 | Zig:14   | Identified the +4 great mace of Internal Strife {flame, rF+
                  | Str+3 Int-4 Stlth+}
255222 | Zig:14   | aesen: not that i know of
255253 | Zig:14   | Identified the +3 leather armour of the Tick {+Blink Str+3
                  | Stlth+}
255313 | Zig:14   | shadowrider38: i dont rmr where i saw that then
255313 | Zig:14   | shadowrider38: i feel like i watched someone and they were
                  | explaining that it was better to keep the gozag ability
                  | going
255318 | Zig:15   | Entered Level 15 of a ziggurat
255318 | Zig:15   | Noticed a dread lich
255318 | Zig:15   | Noticed an ancient lich
255318 | Zig:15   | Noticed an ancient lich
255318 | Zig:15   | Noticed an ancient lich
255320 | Zig:15   | Noticed an ancient lich
255321 | Zig:15   | Noticed a dread lich
255321 | Zig:15   | Noticed an ancient lich
255321 | Zig:15   | Noticed an ancient lich
255322 | Zig:15   | Noticed an ancient lich
255322 | Zig:15   | Killed an ancient lich
255322 | Zig:15   | Killed a dread lich
255322 | Zig:15   | Killed an ancient lich
255323 | Zig:15   | Noticed a dread lich
255323 | Zig:15   | Noticed a dread lich
255323 | Zig:15   | Noticed an ancient lich
255323 | Zig:15   | Noticed an ancient lich
255323 | Zig:15   | Noticed an ancient lich
255323 | Zig:15   | Noticed a dread lich
255324 | Zig:15   | Noticed an ancient lich
255324 | Zig:15   | Noticed an ancient lich
255324 | Zig:15   | Noticed a dread lich
255324 | Zig:15   | Noticed a dread lich
255324 | Zig:15   | Noticed a dread lich
255324 | Zig:15   | Noticed a dread lich
255324 | Zig:15   | Killed an ancient lich
255324 | Zig:15   | Killed an ancient lich
255324 | Zig:15   | Noticed an ancient lich
255325 | Zig:15   | Noticed an ancient lich
255325 | Zig:15   | Noticed an ancient lich
255325 | Zig:15   | Noticed a dread lich
255325 | Zig:15   | Noticed an ancient lich
255325 | Zig:15   | Noticed an ancient lich
255326 | Zig:15   | Noticed an ancient lich
255326 | Zig:15   | Noticed an ancient lich
255326 | Zig:15   | Killed an ancient lich
255327 | Zig:15   | Killed an ancient lich
255327 | Zig:15   | Killed an ancient lich
255327 | Zig:15   | Killed an ancient lich
255327 | Zig:15   | Killed a dread lich
255327 | Zig:15   | Killed a dread lich
255327 | Zig:15   | Killed an ancient lich
255327 | Zig:15   | Killed a dread lich
255327 | Zig:15   | Killed an ancient lich
255327 | Zig:15   | Killed an ancient lich
255327 | Zig:15   | Killed an ancient lich
255327 | Zig:15   | Killed an ancient lich
255327 | Zig:15   | Killed a dread lich
255327 | Zig:15   | Killed an ancient lich
255327 | Zig:15   | Killed a dread lich
255327 | Zig:15   | Killed a dread lich
255327 | Zig:15   | Killed an ancient lich
255327 | Zig:15   | Killed a dread lich
255328 | Zig:15   | Noticed a dread lich
255328 | Zig:15   | Noticed a dread lich
255328 | Zig:15   | Noticed a dread lich
255328 | Zig:15   | Noticed a dread lich
255328 | Zig:15   | Noticed a dread lich
255328 | Zig:15   | Noticed a dread lich
255329 | Zig:15   | Noticed a dread lich
255330 | Zig:15   | Killed an ancient lich
255330 | Zig:15   | Killed a dread lich
255330 | Zig:15   | Killed a dread lich
255330 | Zig:15   | Killed a dread lich
255330 | Zig:15   | Killed a dread lich
255330 | Zig:15   | Noticed an ancient lich
255330 | Zig:15   | Noticed an ancient lich
255331 | Zig:15   | Noticed a dread lich
255331 | Zig:15   | Noticed an ancient lich
255332 | Zig:15   | Killed an ancient lich
255332 | Zig:15   | Killed a dread lich
255332 | Zig:15   | Killed a dread lich
255332 | Zig:15   | Killed an ancient lich
255332 | Zig:15   | Killed a dread lich
255333 | Zig:15   | Noticed an ancient lich
255334 | Zig:15   | Noticed an ancient lich
255334 | Zig:15   | Noticed a dread lich
255334 | Zig:15   | Noticed an ancient lich
255335 | Zig:15   | Killed a dread lich
255335 | Zig:15   | Killed a dread lich
255335 | Zig:15   | Killed an ancient lich
255335 | Zig:15   | Killed an ancient lich
255335 | Zig:15   | Killed a dread lich
255335 | Zig:15   | Killed an ancient lich
255335 | Zig:15   | Killed an ancient lich
255337 | Zig:15   | Noticed a dread lich
255338 | Zig:15   | Killed an ancient lich
255340 | Zig:15   | Killed an ancient lich
255340 | Zig:15   | Killed a dread lich
255340 | Zig:15   | Killed a dread lich
255340 | Zig:15   | Killed an ancient lich
255440 | Zig:15   | Identified the staff of poison "Basis" {rPois Will+ Str+3
                  | SInv}
255446 | Zig:15   | Identified the +0 pair of boots "Xujig" {-Tele rF+++ Will++
                  | Str-3}
255449 | Zig:15   | Identified the +2 scale mail "Gaem" {rF+}
255462 | Zig:15   | Identified the staff of conjuration "Moytopt" {*Slow
                  | Fragile rPois rN++}
255470 | Zig:15   | Identified the +9 war axe of the Wilderness {holy, Fragile
                  | Fly Will+}
255480 | Zig:15   | Identified the staff of fire "Velluzof" {*Corrode rF+ rC+
                  | Dex+7}
255481 | Zig:15   | Identified the staff of death "Dadwyur" {rPois rN+ rCorr}
255482 | Zig:15   | Identified the staff of air "Ikumiog" {rElec Str+2}
255483 | Zig:15   | Identified the +6 sling of Vileefod {elec, rPois rN++ Str-3
                  | Dex+4}
255499 | Zig:15   | Identified the staff of death "Lixkecun" {rN+ MP+9 Dex+2}
255502 | Zig:15   | Identified the +6 arbalest "Attytikk" {freeze, Int+3}
255827 | Zig:16   | Entered Level 16 of a ziggurat
255827 | Zig:16   | Noticed a juggernaut
255827 | Zig:16   | Noticed a juggernaut
255827 | Zig:16   | Noticed a juggernaut
255827 | Zig:16   | Noticed a juggernaut
255827 | Zig:16   | Noticed a juggernaut
255827 | Zig:16   | Noticed a juggernaut
255828 | Zig:16   | Killed a juggernaut
255828 | Zig:16   | Killed a juggernaut
255829 | Zig:16   | Noticed a juggernaut
255829 | Zig:16   | Noticed a juggernaut
255829 | Zig:16   | Noticed a juggernaut
255829 | Zig:16   | Noticed a juggernaut
255830 | Zig:16   | Noticed a juggernaut
255832 | Zig:16   | Killed a juggernaut
255833 | Zig:16   | Noticed a juggernaut
255833 | Zig:16   | Noticed a juggernaut
255833 | Zig:16   | Killed a juggernaut
255834 | Zig:16   | Killed a juggernaut
255835 | Zig:16   | Killed a juggernaut
255836 | Zig:16   | Noticed a juggernaut
255836 | Zig:16   | Killed a juggernaut
255837 | Zig:16   | Noticed a juggernaut
255837 | Zig:16   | Noticed a juggernaut
255837 | Zig:16   | Noticed a juggernaut
255837 | Zig:16   | Noticed a juggernaut
255838 | Zig:16   | Killed a juggernaut
255839 | Zig:16   | Killed a juggernaut
255839 | Zig:16   | Noticed a juggernaut
255842 | Zig:16   | Noticed a juggernaut
255842 | Zig:16   | Noticed a juggernaut
255843 | Zig:16   | Noticed a juggernaut
255844 | Zig:16   | Noticed a juggernaut
255845 | Zig:16   | Killed a juggernaut
255845 | Zig:16   | Killed a juggernaut
255845 | Zig:16   | Killed a juggernaut
255845 | Zig:16   | Killed a juggernaut
255845 | Zig:16   | Killed a juggernaut
255845 | Zig:16   | Killed a juggernaut
255845 | Zig:16   | Killed a juggernaut
255847 | Zig:16   | Noticed a juggernaut
255848 | Zig:16   | Noticed a juggernaut
255849 | Zig:16   | Killed a juggernaut
255851 | Zig:16   | Killed a juggernaut
255853 | Zig:16   | Killed a juggernaut
255853 | Zig:16   | Killed a juggernaut
255861 | Zig:16   | Killed a juggernaut
255861 | Zig:16   | Killed a juggernaut
255861 | Zig:16   | Killed a juggernaut
255861 | Zig:16   | Killed a juggernaut
255865 | Zig:16   | Killed a juggernaut
256418 | Zig:16   | Identified the amulet of Attitude {Faith Fly rPois Regen+
                  | Stlth-}
256479 | Zig:16   | Identified the +2 mace of Instinct {freeze, Will- SInv
                  | Stlth+}
256509 | Zig:17   | Entered Level 17 of a ziggurat
256525 | Zig:17   | Paralysed by an air elemental for 1 turns
256529 | Zig:17   | Paralysed by an air elemental for 1 turns
256639 | Zig:17   | Identified the ring of Vaffemerukh {rF+++ Str+3 SInv}
256651 | Zig:17   | Identified the +1 chain mail of the Slashing Gods {Will+}
256652 | Zig:17   | Identified the +5 plate armour "Gekhumol" {Int+2}
256659 | Zig:17   | Identified the +0 flail of Komnyled {flame, *Noise rPois
                  | Str+3 Stlth+}
257170 | Zig:18   | Entered Level 18 of a ziggurat
257194 | Zig:18   | Found the +4 robe of Augmentation {Str+4 Int+4 Dex+4}
257639 | Zig:18   | Identified the ring "Heath" {Wiz +Blink rElec Slay-2}
257643 | Zig:18   | Identified the scarf of a wizard's laboratory {repulsion,
                  | rC+ rCorr Int-4}
257651 | Zig:18   | Identified the +5 dire flail of the Charmed God {heavy,
                  | rElec rF+ Dex+2}
257659 | Zig:18   | Identified the +0 scale mail of Thoughtfulness {Int+3}
257675 | Zig:18   | Identified the +3 ring mail of Past Mistakes {Rampage rElec
                  | Dex+3}
257679 | Zig:18   | Identified the staff of air "Temexui" {Fragile +Blink rElec
                  | rCorr}
257696 | Zig:18   | Identified the +8 rapier of Ebaom {holy, rPois rCorr
                  | Stlth+}
257728 | Zig:18   | Identified the +2 rapier of Noxious Exoneration {flame, rN+
                  | Str+3 Int+2 Dex-3}
257760 | Zig:18   | Identified the +1 leather armour of Light {*Corrode rElec
                  | Int+4 Dex+2}
257770 | Zig:18   | Identified the staff of death "Lithrump" {rN+ Dex+6 SInv}
257775 | Zig:18   | Identified the +3 mace of Light {protect, rPois rC+ MP-9}
257777 | Zig:18   | Identified the +3 dagger of the Shore {heavy, rCorr Dex-4
                  | Stlth+}
257779 | Zig:18   | Identified the +3 leather armour of Uskayaw's Grace
                  | {Rampage rF- rC++ Int+3}
257870 | Zig:19   | Entered Level 19 of a ziggurat
257923 | Zig:19   | shadowrider38: i wish i could just delete this demon life
                  | saving mutation
258075 | Zig:19   | shadowrider38: has not once been helpful
258075 | Zig:19   | aesen: lol
258075 | Zig:19   | shadowrider38: and now its just a nuisance
258148 | Zig:19   | Identified the ring "Uwo Vi Inu" {rElec rN++ Will- Str-4
                  | Int+6}
258157 | Zig:19   | Identified the staff of cold "Ulo Loz" {rC+ rN+ Int-3
                  | Dex+2}
258171 | Zig:19   | Identified the +1 sling of Ongips {antimagic, rCorr Int+5
                  | Stlth+}
258183 | Zig:19   | Identified the +4 ring mail "Jufo" {Str+4}
258186 | Zig:19   | Identified the +6 great sword of Uskayaw's Respect
                  | {antimagic, rN+ Dex+3}
258191 | Zig:19   | Identified the staff of death "Yxaunaufri" {rF- rN+ Str+4}
258200 | Zig:19   | Identified the +3 falchion of Kais {flame, rElec}
258201 | Zig:19   | Identified the staff of poison "Reicakh" {rPois Int+5 SInv
                  | Stlth-}
258204 | Zig:19   | Identified the +1 leather armour "Dich" {rF- rC+ Will+}
258213 | Zig:19   | Identified the +0 sling "Honeesig" {heavy, rElec Stlth+}
258223 | Zig:19   | Identified the +2 cloak "Yjejit" {rElec Will+ Dex-4}
258564 | Zig:20   | Entered Level 20 of a ziggurat
258908 | Zig:20   | Identified the +10 dagger "Acagif" {drain, rF- Str+6}
258928 | Zig:20   | Identified the staff of fire "Ronnyl" {rPois rF+ Str+3}
258938 | Zig:20   | Identified the +10 long sword "Plojy" {pain, rC+ Dex+6}
258958 | Zig:20   | Identified the +9 falchion of Tenacity {drain, *Slow Str+7
                  | Int+6}
258961 | Zig:20   | Identified the +3 demon blade "Udiutz" {freeze, rElec
                  | Will+++ Int-4 Stlth+}
258974 | Zig:20   | Identified the +3 scale mail of the Tuna {rCorr SInv}
258978 | Zig:20   | Identified the staff of poison "Egol Gis" {rPois Int+2
                  | Dex+4 Stlth+}
259313 | Zig:21   | Entered Level 21 of a ziggurat
259464 | Zig:21   | Identified the +3 longbow of the Exiled Brambles {drain,
                  | Int+3}
259484 | Zig:21   | Identified the staff of poison "Nucea" {rElec rPois rF++
                  | Will- rCorr SInv}
259542 | Zig:21   | Identified the staff of earth "Vyuneaf" {Int+4}
260264 | Zig:22   | Entered Level 22 of a ziggurat
260282 | Zig:22   | Paralysed by an air elemental for 1 turns
260885 | Zig:22   | Identified the +0 plate armour of Paqanam {SInv}
260886 | Zig:22   | Identified the ring "Yskyurch" {*Corrode rPois Int+3 Dex+6
                  | Slay+4}
260891 | Zig:22   | Identified the staff of poison "Raoqo" {rPois rF+}
260896 | Zig:22   | Identified the amulet "Koec" {Spirit Regen+}
260906 | Zig:22   | Identified the +1 dagger "Concordance" {heavy, rN+ Will+
                  | Int+4 SInv}
260912 | Zig:22   | Identified the +10 sling of Dulerphuasm {flame, rCorr}
260920 | Zig:22   | Identified the +6 longbow of the Demagogue {flame, rElec
                  | Str-2 Dex+9}
260922 | Zig:22   | Identified the staff of air "Qean" {rElec Int+3 Dex+4}
260951 | Zig:23   | Entered Level 23 of a ziggurat
261234 | Zig:23   | Identified the +2 robe of Zairu {rN+ Int+4 Slay+3}
261236 | Zig:23   | Identified the +6 hand crossbow of the Writhing Blowfly
                  | {freeze, Will+}
261237 | Zig:23   | Identified the staff of air "Bothedugg" {rElec rF++ Int+3
                  | SInv}
261243 | Zig:23   | Identified the +9 dagger "Yramaz" {freeze, Drain rF+ Will+}
261297 | Zig:23   | Identified the +4 long sword "Mud Pie of Death" {flame, rC+
                  | Will+ Str+3 Int-4}
261300 | Zig:23   | Identified the +7 battleaxe "Orb Guardian's Foe" {speed,
                  | Str+2}
261308 | Zig:23   | Identified the +4 battleaxe "Suuruff" {venom, SInv Stlth+}
261894 | Zig:23   | Identified the +3 leather armour "Neit Miq" {rC+ Slay+3}
261930 | Zig:24   | Entered Level 24 of a ziggurat
262006 | Zig:24   | Identified the staff of conjuration "Goonor" {Fragile rPois
                  | rC+}
262725 | Zig:24   | Identified the ring "Yduahevie" {Int+3 SInv}
262757 | Zig:24   | Identified the staff of death "Bineluat" {rPois rN+ rCorr
                  | Str-2 Dex+4}
262759 | Zig:24   | Identified the +1 spear "Vassito" {venom, Str-2 Dex+5 SInv}
262812 | Zig:24   | Identified the ring of Asaepoan {rElec rPois rN+ Will+
                  | Dex+2}
262819 | Zig:24   | Identified the staff of fire "Ezitajoy" {rF+ Str+4}
262821 | Zig:24   | Identified the staff of death "Sidafeg" {Fragile rC+ rN+
                  | SInv}
262822 | Zig:24   | Identified the +8 shortbow "Zaeceulu" {antimagic, rElec
                  | rF+}
262828 | Zig:24   | Identified the ring "Huotiu" {rElec Will+ Str+4}
262833 | Zig:24   | Identified the staff of conjuration "Fopseel" {Fragile
                  | Will+ Int+3}
262840 | Zig:24   | Identified the +0 rapier of a wizard's laboratory
                  | {antimagic, rF+ rC+}
262845 | Zig:24   | Identified the ring "Muommapn" {Ice Str-5 Int+4}
262866 | Zig:24   | Identified the staff of earth "Nuucol" {rC- Will+ Dex+5}
262869 | Zig:24   | Identified the staff of conjuration "Qasishrad" {rElec rF+}
262871 | Zig:24   | Identified the +4 sling of Zaulygg {freeze, rF+ rC- Str+5}
262889 | Zig:24   | Identified the staff of conjuration "Maicu" {rPois Int+3}
262894 | Zig:24   | Identified the +1 demon trident of Gallantry {antimagic,
                  | rC+}
262901 | Zig:24   | Identified the +7 mace of Qeli {freeze, rPois rF- rN+}
262908 | Zig:24   | Identified the +8 arbalest of Dust {flame, MP+9 Stlth+}
262916 | Zig:24   | Identified the +11 spear of shadowrider38's Terror {spect,
                  | Fragile Dex+5}
262937 | Zig:24   | Identified the +1 leather armour of Muttered Phrases {-Tele
                  | Will+++ Int+3 Stlth+}
263028 | Zig:25   | Entered Level 25 of a ziggurat
263278 | Zig:25   | Identified the +8 long sword of the Fool {chaos, Fly Str+2
                  | Int-2 SInv}
263279 | Zig:25   | Identified the staff of death "Juemn" {rF++ rN+ rCorr MP-9
                  | Str+3}
263283 | Zig:25   | Identified the +6 arbalest of the Dead {speed, rC+ rN+
                  | Stlth+}
263296 | Zig:25   | Identified the ring "Ustry" {rF+ Int+3}
263297 | Zig:25   | Identified the +5 shortbow of Satyriasis {freeze, Str+3}
263310 | Zig:25   | Identified the +7 dagger of Causality {antimagic, rPois
                  | rF+}
263851 | Zig:25   | Identified the +3 whip "Worm's Wrath" {drain, rN+}
263859 | Zig:25   | Identified the +1 robe "Reotizoy" {rC+ Will+}
263862 | Zig:25   | Identified the +10 rapier "Fucal" {venom, *Slow rC+++ rCorr
                  | Dex-3 SInv}
263864 | Zig:25   | Identified the +9 great mace "Qicediod" {pain, rN+}
263865 | Zig:25   | Identified the +5 long sword "Maczaon" {heavy, *Noise rF+
                  | Str+5 Int+2}
263871 | Zig:25   | Identified the staff of death "Zorov" {rN+ MP+9 Str+4}
263944 | Zig:26   | Entered Level 26 of a ziggurat
264866 | Zig:26   | Identified the ring "Quru" {rElec rPois rN+ Str+4}
264884 | Zig:26   | Identified the +7 executioner's axe of Beth {flame, rN+}
264938 | Zig:26   | Identified the +9 war axe of a Million Olives {heavy,
                  | Stlth+}
264942 | Zig:26   | Identified the staff of air "Siuki" {rElec Will+}
264952 | Zig:26   | Identified the staff of earth "Ukoaph" {rF+ Str+3 Dex-5}
264966 | Zig:26   | Identified the +2 helmet of Azearchyto {rN++ rCorr Dex-4}
264969 | Zig:26   | Identified the +0 shortbow of Midsummer {freeze, *Corrode
                  | Str+4 Dex+2}
264970 | Zig:26   | Identified the +3 spear "Poarr" {spect, Fly Will+ Str+2
                  | Dex+4}
264971 | Zig:26   | Identified the +4 halberd "Sill" {pain, Str+3}
264974 | Zig:26   | Identified the +1 ring mail "Put-Me-On" {Harm Stlth+}
264975 | Zig:26   | Identified the amulet "Zajom" {Faith rElec}
264979 | Zig:26   | Identified the ring of Hoimuu {Fire Str-5 Int+7 SInv}
264982 | Zig:26   | Identified the ring "Yteetwey" {*Slow Str+6 Int+5}
264987 | Zig:26   | Identified the +3 trident "Ixev" {heavy, rPois Dex+2}
264998 | Zig:26   | Acquired 680 gold pieces
264999 | Zig:26   | Acquired 264 gold pieces
265000 | Zig:26   | Acquired 568 gold pieces
265011 | Zig:26   | Identified the +0 chain mail "Yleeh" {Int+2}
265014 | Zig:26   | Identified the +0 shadow dragon scales "Efofuum" {Rampage
                  | +Blink Stlth++++}
265099 | Zig:27   | Entered Level 27 of a ziggurat
265103 | Zig:27   | Noticed an ancient lich
265103 | Zig:27   | Noticed a dread lich
265103 | Zig:27   | Noticed a dread lich
265103 | Zig:27   | Noticed an ancient lich
265103 | Zig:27   | Noticed a dread lich
265104 | Zig:27   | Noticed a dread lich
265104 | Zig:27   | Noticed an ancient lich
265104 | Zig:27   | Noticed an ancient lich
265105 | Zig:27   | Noticed a dread lich
265105 | Zig:27   | Noticed a dread lich
265106 | Zig:27   | Noticed a dread lich
265106 | Zig:27   | Killed a dread lich
265106 | Zig:27   | Killed an ancient lich
265106 | Zig:27   | Killed a dread lich
265106 | Zig:27   | Killed a dread lich
265107 | Zig:27   | Killed a dread lich
265107 | Zig:27   | Killed a dread lich
265107 | Zig:27   | Killed an ancient lich
265107 | Zig:27   | Killed a dread lich
265107 | Zig:27   | Killed an ancient lich
265107 | Zig:27   | Killed a dread lich
265107 | Zig:27   | Noticed a dread lich
265108 | Zig:27   | Noticed an ancient lich
265108 | Zig:27   | Noticed a dread lich
265108 | Zig:27   | Noticed a dread lich
265108 | Zig:27   | Noticed an ancient lich
265108 | Zig:27   | Noticed a dread lich
265108 | Zig:27   | Noticed a dread lich
265108 | Zig:27   | Noticed a dread lich
265108 | Zig:27   | Noticed a dread lich
265109 | Zig:27   | Noticed an ancient lich
265109 | Zig:27   | Noticed a dread lich
265109 | Zig:27   | Noticed an ancient lich
265110 | Zig:27   | Noticed an ancient lich
265110 | Zig:27   | Noticed an ancient lich
265110 | Zig:27   | Noticed a dread lich
265110 | Zig:27   | Noticed a dread lich
265110 | Zig:27   | Noticed a dread lich
265110 | Zig:27   | Noticed a dread lich
265111 | Zig:27   | Noticed a dread lich
265111 | Zig:27   | Noticed a dread lich
265111 | Zig:27   | Noticed a dread lich
265111 | Zig:27   | Noticed a dread lich
265112 | Zig:27   | Noticed a dread lich
265112 | Zig:27   | Noticed an ancient lich
265112 | Zig:27   | Noticed a dread lich
265112 | Zig:27   | Killed a dread lich
265112 | Zig:27   | Killed a dread lich
265112 | Zig:27   | Killed an ancient lich
265112 | Zig:27   | Killed an ancient lich
265112 | Zig:27   | Killed a dread lich
265112 | Zig:27   | Killed a dread lich
265112 | Zig:27   | Killed a dread lich
265112 | Zig:27   | Killed a dread lich
265112 | Zig:27   | Killed an ancient lich
265112 | Zig:27   | Noticed a dread lich
265112 | Zig:27   | Noticed a dread lich
265112 | Zig:27   | Noticed a dread lich
265113 | Zig:27   | Noticed an ancient lich
265113 | Zig:27   | Noticed an ancient lich
265113 | Zig:27   | Noticed a dread lich
265113 | Zig:27   | Noticed a dread lich
265113 | Zig:27   | Noticed a dread lich
265113 | Zig:27   | Noticed a dread lich
265113 | Zig:27   | Noticed a dread lich
265114 | Zig:27   | Noticed an ancient lich
265114 | Zig:27   | Noticed a dread lich
265114 | Zig:27   | Noticed a dread lich
265114 | Zig:27   | Noticed an ancient lich
265114 | Zig:27   | Noticed an ancient lich
265114 | Zig:27   | Noticed a dread lich
265115 | Zig:27   | Noticed a dread lich
265115 | Zig:27   | Noticed a dread lich
265115 | Zig:27   | Noticed an ancient lich
265115 | Zig:27   | Noticed a dread lich
265115 | Zig:27   | Noticed a dread lich
265115 | Zig:27   | Noticed a dread lich
265115 | Zig:27   | Noticed an ancient lich
265116 | Zig:27   | Noticed an ancient lich
265116 | Zig:27   | Noticed a dread lich
265116 | Zig:27   | Noticed an ancient lich
265116 | Zig:27   | Noticed a dread lich
265116 | Zig:27   | Noticed an ancient lich
265116 | Zig:27   | Noticed a dread lich
265116 | Zig:27   | Noticed a dread lich
265117 | Zig:27   | Killed a dread lich
265117 | Zig:27   | Killed a dread lich
265117 | Zig:27   | Killed a dread lich
265117 | Zig:27   | Killed a dread lich
265117 | Zig:27   | Killed an ancient lich
265117 | Zig:27   | Killed an ancient lich
265117 | Zig:27   | Killed a dread lich
265117 | Zig:27   | Killed an ancient lich
265117 | Zig:27   | Killed a dread lich
265117 | Zig:27   | Killed an ancient lich
265117 | Zig:27   | Killed a dread lich
265117 | Zig:27   | Killed a dread lich
265117 | Zig:27   | Killed a dread lich
265117 | Zig:27   | Killed a dread lich
265117 | Zig:27   | Killed an ancient lich
265117 | Zig:27   | Killed a dread lich
265117 | Zig:27   | Killed a dread lich
265117 | Zig:27   | Killed a dread lich
265117 | Zig:27   | Killed a dread lich
265117 | Zig:27   | Killed a dread lich
265117 | Zig:27   | Killed a dread lich
265117 | Zig:27   | Killed an ancient lich
265117 | Zig:27   | Killed a dread lich
265117 | Zig:27   | Killed a dread lich
265117 | Zig:27   | Killed an ancient lich
265117 | Zig:27   | Noticed a dread lich
265118 | Zig:27   | Killed a dread lich
265118 | Zig:27   | Killed a dread lich
265118 | Zig:27   | Killed a dread lich
265118 | Zig:27   | Killed an ancient lich
265118 | Zig:27   | Killed a dread lich
265118 | Zig:27   | Killed an ancient lich
265118 | Zig:27   | Killed a dread lich
265118 | Zig:27   | Killed a dread lich
265118 | Zig:27   | Killed a dread lich
265118 | Zig:27   | Killed a dread lich
265118 | Zig:27   | Killed a dread lich
265118 | Zig:27   | Killed a dread lich
265118 | Zig:27   | Killed an ancient lich
265118 | Zig:27   | Killed an ancient lich
265118 | Zig:27   | Killed a dread lich
265118 | Zig:27   | Killed a dread lich
265118 | Zig:27   | Killed an ancient lich
265118 | Zig:27   | Killed an ancient lich
265118 | Zig:27   | Killed a dread lich
265118 | Zig:27   | Noticed an ancient lich
265118 | Zig:27   | Noticed an ancient lich
265119 | Zig:27   | Noticed a dread lich
265119 | Zig:27   | Noticed a dread lich
265120 | Zig:27   | Noticed a dread lich
265120 | Zig:27   | Noticed an ancient lich
265121 | Zig:27   | Noticed a dread lich
265121 | Zig:27   | Noticed an ancient lich
265121 | Zig:27   | Noticed an ancient lich
265121 | Zig:27   | Noticed a dread lich
265121 | Zig:27   | Noticed an ancient lich
265122 | Zig:27   | Noticed an ancient lich
265122 | Zig:27   | Noticed a dread lich
265122 | Zig:27   | Noticed an ancient lich
265122 | Zig:27   | Noticed an ancient lich
265123 | Zig:27   | Noticed an ancient lich
265123 | Zig:27   | Noticed a dread lich
265123 | Zig:27   | Noticed an ancient lich
265123 | Zig:27   | Noticed a dread lich
265123 | Zig:27   | Noticed a dread lich
265123 | Zig:27   | Noticed an ancient lich
265123 | Zig:27   | Killed a dread lich
265124 | Zig:27   | Killed an ancient lich
265124 | Zig:27   | Killed an ancient lich
265124 | Zig:27   | Killed an ancient lich
265124 | Zig:27   | Killed an ancient lich
265124 | Zig:27   | Killed a dread lich
265124 | Zig:27   | Killed an ancient lich
265124 | Zig:27   | Killed a dread lich
265124 | Zig:27   | Killed an ancient lich
265124 | Zig:27   | Killed an ancient lich
265124 | Zig:27   | Killed an ancient lich
265124 | Zig:27   | Killed a dread lich
265124 | Zig:27   | Killed an ancient lich
265124 | Zig:27   | Killed an ancient lich
265124 | Zig:27   | Killed a dread lich
265124 | Zig:27   | Killed a dread lich
265124 | Zig:27   | Killed an ancient lich
265124 | Zig:27   | Killed a dread lich
265124 | Zig:27   | Killed a dread lich
265125 | Zig:27   | Killed a dread lich
265125 | Zig:27   | Killed an ancient lich
265125 | Zig:27   | Killed a dread lich
265125 | Zig:27   | Noticed an ancient lich
265125 | Zig:27   | Noticed an ancient lich
265125 | Zig:27   | Noticed a dread lich
265126 | Zig:27   | Noticed an ancient lich
265126 | Zig:27   | Noticed a dread lich
265126 | Zig:27   | Noticed an ancient lich
265126 | Zig:27   | Noticed an ancient lich
265126 | Zig:27   | Noticed a dread lich
265126 | Zig:27   | Noticed an ancient lich
265126 | Zig:27   | Killed a dread lich
265126 | Zig:27   | Killed an ancient lich
265127 | Zig:27   | Noticed an ancient lich
265127 | Zig:27   | Noticed a dread lich
265128 | Zig:27   | Noticed an ancient lich
265128 | Zig:27   | Noticed an ancient lich
265129 | Zig:27   | Noticed an ancient lich
265129 | Zig:27   | Noticed a dread lich
265129 | Zig:27   | Noticed a dread lich
265130 | Zig:27   | Noticed an ancient lich
265131 | Zig:27   | Killed a dread lich
265131 | Zig:27   | Killed an ancient lich
265131 | Zig:27   | Killed an ancient lich
265131 | Zig:27   | Killed an ancient lich
265131 | Zig:27   | Killed an ancient lich
265131 | Zig:27   | Killed an ancient lich
265131 | Zig:27   | Killed an ancient lich
265131 | Zig:27   | Killed a dread lich
265131 | Zig:27   | Killed an ancient lich
265132 | Zig:27   | Killed an ancient lich
265132 | Zig:27   | Killed a dread lich
265132 | Zig:27   | Killed a dread lich
265132 | Zig:27   | Killed a dread lich
265132 | Zig:27   | Killed an ancient lich
265132 | Zig:27   | Killed a dread lich
265132 | Zig:27   | Killed an ancient lich
265132 | Zig:27   | Killed an ancient lich
265135 | Zig:27   | Noticed an ancient lich
265136 | Zig:27   | Noticed a dread lich
265139 | Zig:27   | Killed a dread lich
265140 | Zig:27   | Killed an ancient lich
265141 | Zig:27   | Noticed an ancient lich
265142 | Zig:27   | Noticed a dread lich
265146 | Zig:27   | Killed a dread lich
265146 | Zig:27   | Killed an ancient lich
265146 | Zig:27   | Killed an ancient lich
265161 | Zig:27   | Identified the +0 helmet of the Loving Gods {rPois rN+
                  | Str-5}
265316 | Zig:27   | Identified the ring "Vevueq" {Wiz rF+ Str+3 Int+5}
265340 | Zig:27   | Identified the ring of Dithmenos, Mashing {rPois rF+ MP+9
                  | Str+3}
265356 | Zig:27   | Identified the +1 mace of Etonk {antimagic, *Rage Str+6}
265358 | Zig:27   | Identified the +7 ring mail of Cikoz {rC+ Will+}
265375 | Zig:27   | Identified the ring of Rotaj {rPois Dex+6}
265376 | Zig:27   | Identified the ring "Jogg" {Fly rN+ Str+4 Int+2 SInv}
265386 | Zig:27   | Identified the staff of poison "Openemoth" {rPois Int+2}
265397 | Zig:27   | Identified the staff of fire "Nukhetasch" {*Corrode rElec
                  | rF+ Will+ Str+4}
265405 | Zig:27   | Identified the staff of poison "Hityv" {rElec rPois Stlth+}
265425 | Zig:27   | Identified the +3 shortbow "Etatahof" {heavy, rC- rN+
                  | Dex+2}
265437 | Zig:27   | Identified the +9 quarterstaff of Perversion {vamp, rF++
                  | rCorr Dex-4}
265447 | Zig:27   | Identified the ring "Deeses" {Wiz Dex+4}
265457 | Zig:27   | Identified the +1 scale mail "Poss" {rPois Str+5 Int-4}
265465 | Zig:27   | Identified the staff of cold "Qisafot" {Fragile rPois rC+
                  | Will+++ Stlth+}
265495 | Zig:27   | Identified the +5 flail of Ziakos {drain, Int+2}
265499 | Zig:27   | Identified the staff of fire "Jahesig" {rElec rF+}
265938 | Zig:27   | Identified the amulet "Xoseropo" {Faith +Inv Dex+4}
265945 | Zig:27   | Identified the +9 falchion of Breach {heavy, +Blink rF-
                  | rC++ SInv}
266010 | Depths:1 | shadowrider38: ok im gon go get
266010 | Depths:1 | shadowrider38: cya lata
266010 | Depths:1 | aesen: ye
266015 | Zig:1    | Entered Level 1 of a ziggurat
266112 | Zig:2    | Entered Level 2 of a ziggurat
266290 | Zig:2    | Identified the +6 scale mail of Pathos {rPois Dex+2 Stlth+}
266319 | Zig:2    | Identified the +7 plate armour of the Vacuum {Contam rN+
                  | Str+3 Dex+7}
266340 | Zig:3    | Entered Level 3 of a ziggurat
266340 | Zig:3    | Noticed a juggernaut
266341 | Zig:3    | Killed a juggernaut
266390 | Zig:3    | Identified the staff of air "Ygoraoll" {rElec Str+2}
266505 | Zig:4    | Entered Level 4 of a ziggurat
266505 | Zig:4    | Noticed an ancient lich
266508 | Zig:4    | Killed an ancient lich
266838 | Zig:5    | Entered Level 5 of a ziggurat
266974 | Zig:5    | Identified the staff of cold "Ythas" {rElec rC+ rN+ MP-9}
267008 | Zig:5    | Identified the ring of Tav Hutt {rC+ Dex+6}
267012 | Zig:5    | Identified the ring of Ybeawnan {rElec rF+}
267139 | Zig:6    | Entered Level 6 of a ziggurat
267139 | Zig:6    | Noticed Qorog the pandemonium lord
267139 | Zig:6    | Noticed Turah the pandemonium lord
267139 | Zig:6    | Noticed Reedd the pandemonium lord
267139 | Zig:6    | Noticed Ysumn the pandemonium lord
267139 | Zig:6    | Noticed Zokh the pandemonium lord
267139 | Zig:6    | Noticed Omim the pandemonium lord
267139 | Zig:6    | Noticed Weneth the pandemonium lord
267139 | Zig:6    | Noticed Rirolemu the pandemonium lord
267139 | Zig:6    | Noticed Idwujero the pandemonium lord
267139 | Zig:6    | Noticed Bis Suoteo the pandemonium lord
267139 | Zig:6    | Noticed Inaqajyn the pandemonium lord
267139 | Zig:6    | Noticed Bosam the pandemonium lord
267139 | Zig:6    | Noticed Cyifukh the pandemonium lord
267139 | Zig:6    | Noticed Xesch the pandemonium lord
267139 | Zig:6    | Noticed Irphuf the pandemonium lord
267139 | Zig:6    | Noticed Omoc the pandemonium lord
267139 | Zig:6    | Noticed Zougip the pandemonium lord
267139 | Zig:6    | Noticed Gaodoivo the pandemonium lord
267139 | Zig:6    | Noticed Onne the pandemonium lord
267139 | Zig:6    | Noticed Zeodud the pandemonium lord
267139 | Zig:6    | Noticed Uruxzec the pandemonium lord
267139 | Zig:6    | Noticed Jariyc the pandemonium lord
267139 | Zig:6    | Noticed Zoroh the pandemonium lord
267139 | Zig:6    | Noticed Bohionnowue the pandemonium lord
267139 | Zig:6    | Noticed Jeuzudd the pandemonium lord
267139 | Zig:6    | Noticed Diqa the pandemonium lord
267140 | Zig:6    | Killed Reedd the pandemonium lord
267140 | Zig:6    | Killed Omim the pandemonium lord
267140 | Zig:6    | Killed Ysumn the pandemonium lord
267140 | Zig:6    | Killed Cyifukh the pandemonium lord
267140 | Zig:6    | Killed Irphuf the pandemonium lord
267140 | Zig:6    | Killed Zougip the pandemonium lord
267141 | Zig:6    | Noticed Ustru the pandemonium lord
267141 | Zig:6    | Noticed Qariaf the pandemonium lord
267142 | Zig:6    | Killed Jariyc the pandemonium lord
267142 | Zig:6    | Killed Bohionnowue the pandemonium lord
267142 | Zig:6    | Killed Omoc the pandemonium lord
267142 | Zig:6    | Killed Rirolemu the pandemonium lord
267142 | Zig:6    | Killed Idwujero the pandemonium lord
267142 | Zig:6    | Killed Zokh the pandemonium lord
267142 | Zig:6    | Killed Turah the pandemonium lord
267142 | Zig:6    | Killed Zeodud the pandemonium lord
267142 | Zig:6    | Killed Jeuzudd the pandemonium lord
267142 | Zig:6    | Noticed Agotzes the pandemonium lord
267142 | Zig:6    | Killed Uruxzec the pandemonium lord
267142 | Zig:6    | Killed Inaqajyn the pandemonium lord
267142 | Zig:6    | Killed Diqa the pandemonium lord
267142 | Zig:6    | Killed Xesch the pandemonium lord
267143 | Zig:6    | Killed Gaodoivo the pandemonium lord
267143 | Zig:6    | Killed Onne the pandemonium lord
267143 | Zig:6    | Killed Zoroh the pandemonium lord
267144 | Zig:6    | Noticed Izile the pandemonium lord
267145 | Zig:6    | Killed Bis Suoteo the pandemonium lord
267145 | Zig:6    | Killed Bosam the pandemonium lord
267145 | Zig:6    | Killed Qorog the pandemonium lord
267146 | Zig:6    | Killed Ustru the pandemonium lord
267146 | Zig:6    | Noticed Imeps the pandemonium lord
267147 | Zig:6    | Noticed Guwycw the pandemonium lord
267147 | Zig:6    | Noticed Aptyc the pandemonium lord
267147 | Zig:6    | Noticed Joukko Vuib the pandemonium lord
267148 | Zig:6    | Killed Qariaf the pandemonium lord
267149 | Zig:6    | Killed Agotzes the pandemonium lord
267149 | Zig:6    | Killed Aptyc the pandemonium lord
267150 | Zig:6    | Noticed Biatosoto the pandemonium lord
267151 | Zig:6    | Killed Imeps the pandemonium lord
267151 | Zig:6    | Killed Weneth the pandemonium lord
267151 | Zig:6    | Noticed Miydghyt the pandemonium lord
267152 | Zig:6    | Noticed Mosog the pandemonium lord
267152 | Zig:6    | Killed Izile the pandemonium lord
267152 | Zig:6    | Killed Guwycw the pandemonium lord
267154 | Zig:6    | Killed Miydghyt the pandemonium lord
267154 | Zig:6    | Killed Joukko Vuib the pandemonium lord
267154 | Zig:6    | Killed Mosog the pandemonium lord
267155 | Zig:6    | Killed Biatosoto the pandemonium lord
267404 | Zig:6    | Identified the +6 glaive of Tenacity {heavy, Will- Int+4
                  | Stlth+}
267408 | Zig:6    | Identified the +7 glaive of Yeast {heavy, rPois rC+}
267418 | Zig:6    | Identified the +6 war axe of Dissatisfaction {pain, rCorr}
267457 | Zig:7    | Entered Level 7 of a ziggurat
267609 | Zig:7    | Identified the +4 great mace "Giant's Curse" {heavy, rC+
                  | Int+3}
267661 | Zig:7    | Acquired the +7 tower shield "Werostri" {rElec rPois Regen+
                  | Dex+3}
267865 | Zig:8    | Entered Level 8 of a ziggurat
268289 | Zig:9    | Entered Level 9 of a ziggurat
268410 | Zig:9    | Identified the +1 lajatang of the Scorned {drain, rC+}
268418 | Zig:9    | Identified the +10 dagger of Zeemiud {spect, Str+3 SInv}
268432 | Zig:9    | Identified the amulet "Puarob" {Spirit -Tele rN+ rCorr
                  | Str+3}
268454 | Zig:9    | Identified the +4 plate armour of Painted Life {rPois
                  | Str+2}
268696 | Zig:10   | Entered Level 10 of a ziggurat
268696 | Zig:10   | Noticed a dread lich
268698 | Zig:10   | Killed a dread lich
268707 | Zig:10   | Noticed a dread lich
268710 | Zig:10   | Paralysed by accursed screaming for 1 turns
268712 | Zig:10   | Killed a dread lich
268724 | Zig:10   | Identified the ring of Noinogol {rF+ Str+3 Int+6 Dex+2
                  | Slay+2}
269156 | Zig:10   | Acquired the +16 crystal plate armour of Generosity
                  | {Slay+2}
269185 | Zig:10   | Identified the ring of Ytocast {rPois rCorr Int+6 Dex+3
                  | SInv}
269217 | Zig:10   | Identified the +2 plate armour of Ofruybag {Will+}
269235 | Zig:10   | Identified the +7 battleaxe of Arrival {venom, Str+2 Dex+3}
269239 | Zig:10   | Identified the +3 kite shield "Echoatist" {Int+3}
269243 | Zig:10   | Identified the +0 scimitar of Loeqegg {freeze, +Blink}
269272 | Zig:11   | Entered Level 11 of a ziggurat
269416 | Zig:11   | Identified the staff of poison "Wenes" {Fly rPois rN++
                  | Str+6}
269427 | Zig:11   | Identified the amulet "Baigh" {Acrobat Will++ Str+2}
269429 | Zig:11   | Identified the +1 scimitar "Lych" {heavy, rPois Str+3}
269431 | Zig:11   | Identified the ring of Miracles {+Blink rPois Int+3 Dex+3}
269434 | Zig:11   | Identified the +5 scimitar of the Ageless Souls {flame,
                  | rCorr}
269445 | Zig:11   | Acquired 364 gold pieces
269446 | Zig:11   | Acquired 620 gold pieces
269447 | Zig:11   | Acquired 894 gold pieces
269461 | Zig:11   | Identified the +0 acid dragon scales "Cuemeos" {Will+ rCorr
                  | Int+2 Dex+3}
269477 | Zig:11   | Identified the staff of poison "Foquh" {rElec rPois rC+
                  | rN++}
269505 | Zig:11   | Identified the +8 plate armour of the Lily {Stlth+}
269818 | Zig:12   | Entered Level 12 of a ziggurat
269824 | Zig:12   | Noticed a dread lich
269826 | Zig:12   | Killed a dread lich
270225 | Zig:12   | Identified the ring of New Discoveries {Will+ SInv}
270229 | Zig:12   | Identified the +0 scale mail of Mefruo {rPois rF++}
270242 | Zig:12   | Identified the staff of earth "Qizxur" {Fly Will- MP+9
                  | Str+3}
270277 | Zig:12   | Identified the amulet "Tibiup" {Reflect SH+5 Stlth+}
270299 | Zig:12   | Identified the +0 trident of Conscience {vamp, rF+ Int+5}
270304 | Zig:12   | Identified the +3 dagger "Venwosaxie" {antimagic, Will+}
270307 | Zig:12   | Identified the amulet of Byfruimn {*Corrode rElec rN+++
                  | Regen+ Str-3}
270315 | Zig:12   | Identified the +5 short sword "Reemu" {pain, rF- Will- MP+9
                  | Str+5}
270317 | Zig:12   | Identified the +5 rapier of Truth {venom, rN+}
270318 | Zig:12   | Identified the +9 chain mail "Qoelikhidi" {+Inv rElec
                  | Will+}
270319 | Zig:12   | Identified the ring "Puulicamao" {rPois rC+}
270388 | Zig:13   | Entered Level 13 of a ziggurat
270388 | Zig:13   | Noticed a dread lich
270388 | Zig:13   | Noticed a dread lich
270388 | Zig:13   | Noticed an ancient lich
270388 | Zig:13   | Noticed an ancient lich
270391 | Zig:13   | Noticed an ancient lich
270391 | Zig:13   | Noticed a dread lich
270391 | Zig:13   | Noticed a dread lich
270391 | Zig:13   | Noticed an ancient lich
270391 | Zig:13   | Noticed a dread lich
270392 | Zig:13   | Noticed a dread lich
270392 | Zig:13   | Noticed an ancient lich
270392 | Zig:13   | Noticed a dread lich
270393 | Zig:13   | Killed a dread lich
270393 | Zig:13   | Killed an ancient lich
270393 | Zig:13   | Killed a dread lich
270393 | Zig:13   | Killed an ancient lich
270393 | Zig:13   | Killed a dread lich
270393 | Zig:13   | Killed a dread lich
270394 | Zig:13   | Noticed an ancient lich
270394 | Zig:13   | Noticed a dread lich
270394 | Zig:13   | Noticed a dread lich
270394 | Zig:13   | Noticed a dread lich
270395 | Zig:13   | Noticed an ancient lich
270395 | Zig:13   | Noticed an ancient lich
270395 | Zig:13   | Noticed a dread lich
270395 | Zig:13   | Noticed a dread lich
270395 | Zig:13   | Killed a dread lich
270396 | Zig:13   | Noticed an ancient lich
270396 | Zig:13   | Noticed an ancient lich
270396 | Zig:13   | Noticed an ancient lich
270396 | Zig:13   | Noticed an ancient lich
270396 | Zig:13   | Noticed an ancient lich
270396 | Zig:13   | Noticed a dread lich
270396 | Zig:13   | Killed an ancient lich
270396 | Zig:13   | Noticed an ancient lich
270397 | Zig:13   | Noticed an ancient lich
270397 | Zig:13   | Noticed an ancient lich
270398 | Zig:13   | Noticed an ancient lich
270398 | Zig:13   | Noticed a dread lich
270398 | Zig:13   | Noticed an ancient lich
270399 | Zig:13   | Killed an ancient lich
270399 | Zig:13   | Killed a dread lich
270399 | Zig:13   | Killed an ancient lich
270399 | Zig:13   | Killed an ancient lich
270399 | Zig:13   | Killed an ancient lich
270399 | Zig:13   | Killed an ancient lich
270399 | Zig:13   | Killed a dread lich
270401 | Zig:13   | Killed a dread lich
270401 | Zig:13   | Killed a dread lich
270401 | Zig:13   | Killed an ancient lich
270401 | Zig:13   | Killed an ancient lich
270401 | Zig:13   | Killed a dread lich
270401 | Zig:13   | Killed an ancient lich
270401 | Zig:13   | Killed an ancient lich
270401 | Zig:13   | Killed an ancient lich
270401 | Zig:13   | Killed an ancient lich
270401 | Zig:13   | Killed a dread lich
270401 | Zig:13   | Killed an ancient lich
270401 | Zig:13   | Killed an ancient lich
270401 | Zig:13   | Killed a dread lich
270401 | Zig:13   | Killed an ancient lich
270401 | Zig:13   | Killed a dread lich
270401 | Zig:13   | Killed a dread lich
270401 | Zig:13   | Killed an ancient lich
270401 | Zig:13   | Noticed an ancient lich
270402 | Zig:13   | Noticed an ancient lich
270402 | Zig:13   | Noticed a dread lich
270403 | Zig:13   | Noticed an ancient lich
270404 | Zig:13   | Noticed an ancient lich
270404 | Zig:13   | Noticed a dread lich
270406 | Zig:13   | Noticed an ancient lich
270408 | Zig:13   | Killed an ancient lich
270408 | Zig:13   | Killed an ancient lich
270408 | Zig:13   | Killed a dread lich
270409 | Zig:13   | Killed an ancient lich
270411 | Zig:13   | Killed a dread lich
270411 | Zig:13   | Killed an ancient lich
270411 | Zig:13   | Killed an ancient lich
270542 | Zig:13   | Identified the +1 arbalest "Pusmies" {freeze, Str+4 SInv}
270552 | Zig:13   | Identified the +5 ring mail "Fimujuba" {rF- rN+++ Int-3
                  | Dex+7}
270562 | Zig:13   | Identified the +0 plate armour of Incorporation {*Slow rF+
                  | Dex+9}
270575 | Zig:13   | Identified the +2 scale mail of Fedhas's Condemnation {rF-
                  | Str+3 Int+4}
270581 | Zig:13   | Identified the ring of Idealism {Fly rN+ MP+9 Str+2 Dex-5}
270608 | Zig:13   | Identified the +1 dagger "Earthworm" {freeze, rN++}
270937 | Zig:14   | Entered Level 14 of a ziggurat
270939 | Zig:14   | Paralysed by an air elemental for 1 turns
270948 | Zig:14   | Paralysed by an air elemental for 1 turns
271463 | Zig:14   | Identified the orb of Dice, Bag, and Bottle {light, Str+3
                  | Dex+2}
271467 | Zig:14   | Identified the ring of Fypem {rPois Dex+6}
271480 | Zig:14   | Identified the +4 leather armour of the Special Ziggurats
                  | {Dex+3}
271488 | Zig:14   | Identified the +0 leather armour of the Lily {Will+ Dex+4
                  | Slay-2}
271555 | Zig:15   | Entered Level 15 of a ziggurat
271555 | Zig:15   | Noticed a royal mummy
271555 | Zig:15   | Noticed a royal mummy
271555 | Zig:15   | Noticed a royal mummy
271555 | Zig:15   | Noticed a royal mummy
271555 | Zig:15   | Noticed a royal mummy
271555 | Zig:15   | Noticed a royal mummy
271555 | Zig:15   | Noticed a royal mummy
271555 | Zig:15   | Noticed a royal mummy
271555 | Zig:15   | Noticed a royal mummy
271555 | Zig:15   | Noticed a royal mummy
271555 | Zig:15   | Noticed a royal mummy
271555 | Zig:15   | Noticed a royal mummy
271555 | Zig:15   | Noticed a royal mummy
271555 | Zig:15   | Noticed a royal mummy
271555 | Zig:15   | Noticed a royal mummy
271555 | Zig:15   | Noticed a royal mummy
271555 | Zig:15   | Noticed a royal mummy
271555 | Zig:15   | Noticed a royal mummy
271555 | Zig:15   | Noticed a royal mummy
271555 | Zig:15   | Noticed a royal mummy
271555 | Zig:15   | Noticed a royal mummy
271555 | Zig:15   | Noticed a royal mummy
271555 | Zig:15   | Noticed a royal mummy
271556 | Zig:15   | Killed a royal mummy
271556 | Zig:15   | Killed a royal mummy
271556 | Zig:15   | Killed a royal mummy
271556 | Zig:15   | Killed a royal mummy
271556 | Zig:15   | Killed a royal mummy
271556 | Zig:15   | Killed a royal mummy
271556 | Zig:15   | Killed a royal mummy
271556 | Zig:15   | Killed a royal mummy
271556 | Zig:15   | Killed a royal mummy
271556 | Zig:15   | Killed a royal mummy
271556 | Zig:15   | Killed a royal mummy
271556 | Zig:15   | Killed a royal mummy
271556 | Zig:15   | Killed a royal mummy
271556 | Zig:15   | Killed a royal mummy
271556 | Zig:15   | Killed a royal mummy
271556 | Zig:15   | Killed a royal mummy
271556 | Zig:15   | Killed a royal mummy
271557 | Zig:15   | Killed a royal mummy
271557 | Zig:15   | Noticed a royal mummy
271558 | Zig:15   | Noticed a royal mummy
271558 | Zig:15   | Noticed a royal mummy
271559 | Zig:15   | Noticed a royal mummy
271559 | Zig:15   | Noticed a royal mummy
271559 | Zig:15   | Noticed a royal mummy
271560 | Zig:15   | Noticed a royal mummy
271560 | Zig:15   | Noticed a royal mummy
271560 | Zig:15   | Noticed a royal mummy
271560 | Zig:15   | Noticed a royal mummy
271560 | Zig:15   | Killed a royal mummy
271561 | Zig:15   | Noticed a royal mummy
271561 | Zig:15   | Noticed a royal mummy
271561 | Zig:15   | Noticed a royal mummy
271561 | Zig:15   | Noticed a royal mummy
271561 | Zig:15   | Noticed a royal mummy
271561 | Zig:15   | Killed a royal mummy
271561 | Zig:15   | Killed a royal mummy
271561 | Zig:15   | Killed a royal mummy
271561 | Zig:15   | Noticed a royal mummy
271562 | Zig:15   | Noticed a royal mummy
271562 | Zig:15   | Noticed a royal mummy
271562 | Zig:15   | Noticed a royal mummy
271562 | Zig:15   | Killed a royal mummy
271562 | Zig:15   | Killed a royal mummy
271562 | Zig:15   | Killed a royal mummy
271563 | Zig:15   | Noticed a royal mummy
271563 | Zig:15   | Noticed a royal mummy
271563 | Zig:15   | Killed a royal mummy
271566 | Zig:15   | Noticed a royal mummy
271566 | Zig:15   | Noticed a royal mummy
271567 | Zig:15   | Killed a royal mummy
271567 | Zig:15   | Killed a royal mummy
271567 | Zig:15   | Killed a royal mummy
271567 | Zig:15   | Killed a royal mummy
271567 | Zig:15   | Killed a royal mummy
271567 | Zig:15   | Killed a royal mummy
271567 | Zig:15   | Killed a royal mummy
271567 | Zig:15   | Killed a royal mummy
271567 | Zig:15   | Killed a royal mummy
271567 | Zig:15   | Killed a royal mummy
271567 | Zig:15   | Killed a royal mummy
271567 | Zig:15   | Killed a royal mummy
271567 | Zig:15   | Killed a royal mummy
271567 | Zig:15   | Killed a royal mummy
271568 | Zig:15   | Killed a royal mummy
271568 | Zig:15   | Killed a royal mummy
271568 | Zig:15   | Killed a royal mummy
271568 | Zig:15   | Killed a royal mummy
271568 | Zig:15   | Killed a royal mummy
271569 | Zig:15   | Noticed a royal mummy
271569 | Zig:15   | Noticed a royal mummy
271570 | Zig:15   | Noticed a royal mummy
271571 | Zig:15   | Noticed a royal mummy
271573 | Zig:15   | Noticed a royal mummy
271573 | Zig:15   | Noticed a royal mummy
271576 | Zig:15   | Noticed a royal mummy
271576 | Zig:15   | Noticed a royal mummy
271576 | Zig:15   | Noticed a royal mummy
271576 | Zig:15   | Noticed a royal mummy
271577 | Zig:15   | Noticed a royal mummy
271577 | Zig:15   | Noticed a royal mummy
271579 | Zig:15   | Killed a royal mummy
271579 | Zig:15   | Killed a royal mummy
271579 | Zig:15   | Killed a royal mummy
271579 | Zig:15   | Killed a royal mummy
271579 | Zig:15   | Killed a royal mummy
271580 | Zig:15   | Killed a royal mummy
271580 | Zig:15   | Killed a royal mummy
271580 | Zig:15   | Killed a royal mummy
271581 | Zig:15   | Noticed a royal mummy
271581 | Zig:15   | Noticed a royal mummy
271582 | Zig:15   | Killed a royal mummy
271583 | Zig:15   | Killed a royal mummy
271583 | Zig:15   | Noticed a royal mummy
271587 | Zig:15   | Killed a royal mummy
271587 | Zig:15   | Killed a royal mummy
271587 | Zig:15   | Killed a royal mummy
271589 | Zig:15   | Killed a royal mummy
271589 | Zig:15   | Killed a royal mummy
271589 | Zig:15   | Killed a royal mummy
271698 | Zig:15   | Identified the staff of air "Wentul" {Fly rElec Will- Dex+8
                  | SInv}
271699 | Zig:15   | Identified the +10 glaive "Ycioz" {freeze, Str+3}
271701 | Zig:15   | Identified the ring "Zoofedgh" {rF- Dex+9 Slay+4 Stlth-}
271702 | Zig:15   | Identified the +2 quarterstaff of the Manifold Songs
                  | {freeze, rElec rPois}
271719 | Zig:15   | Identified the +1 leather armour of Zinoed {*Slow rPois
                  | rCorr}
271731 | Zig:15   | Identified the +2 trident "Pyuxaom" {freeze, *Rage rN+
                  | Str+2 SInv}
271736 | Zig:15   | Identified the +0 plate armour of Marbles {Str+3 Int+2}
271766 | Zig:15   | Identified the +4 scimitar "Dunit" {venom, rC+}
271769 | Zig:15   | Identified the amulet of Dinnosur {Spirit rPois Int+4}
272298 | Zig:16   | Entered Level 16 of a ziggurat
272787 | Zig:16   | Identified the +9 dagger of the Charming Boar {flame, rF+
                  | rN++ Will+ Int-4}
272799 | Zig:16   | Identified the amulet of Immorality {Faith Rampage Stlth+}
272813 | Zig:16   | Identified the staff of air "Raxketse" {Fragile rElec rPois
                  | Dex+3}
272817 | Zig:16   | Identified the amulet "Zegihufubu" {rF++ Regen+}
272823 | Zig:16   | Identified the +0 great sword of the Rattlesnake {heavy,
                  | Dex+3}
272843 | Zig:16   | Identified the +5 demon blade of Kismet {flame, *Rage Fly
                  | rC+++ Stlth+}
272845 | Zig:16   | Identified the +2 ring mail of the Thirsty Scars {rF+ MP+9
                  | Int+2}
272867 | Zig:16   | Identified the +1 lajatang of Duty {vamp, rPois rN+ Int+3}
272871 | Zig:16   | Identified the +8 morningstar of the Hurting Wolf {venom,
                  | *Slow +Blink rC- Dex+8}
272894 | Zig:16   | Identified the +3 dire flail "Ymnas" {holy, rF- Int+4 Dex+2
                  | SInv}
272943 | Zig:17   | Entered Level 17 of a ziggurat
272982 | Zig:17   | Noticed Dirudit the pandemonium lord
272994 | Zig:17   | Killed Dirudit the pandemonium lord
273356 | Zig:17   | Identified the ring "Guur" {rElec Str-3 Int+6 Dex+3 Stlth+}
273357 | Zig:17   | Identified the ring "Itteadael" {+Blink rC+ Str+6}
273368 | Zig:17   | Identified the ring "Kitatoz" {rPois Dex+3}
273369 | Zig:17   | Identified the +1 morningstar of Popular Demand {drain, rF-
                  | Int+4}
273376 | Zig:17   | Identified the ring of the Lich-sworn {Fly Stlth+}
273385 | Zig:17   | Identified the staff of earth "Astunk" {rF- Str+8 Dex+3}
273390 | Zig:17   | Identified the +2 cloak of the Wild Haggis {Harm rF+}
273750 | Zig:18   | Entered Level 18 of a ziggurat
273753 | Zig:18   | Noticed an ancient lich
273753 | Zig:18   | Noticed a dread lich
273757 | Zig:18   | Noticed a dread lich
273757 | Zig:18   | Killed a dread lich
273757 | Zig:18   | Killed an ancient lich
273757 | Zig:18   | Killed a dread lich
273783 | Zig:18   | Noticed a dread lich
273784 | Zig:18   | Killed a dread lich
274284 | Zig:18   | Identified the +6 great mace of the Equator {antimagic,
                  | *Corrode rC+++ SInv Stlth+}
274286 | Zig:18   | Identified the +1 robe "Unwoanegi" {rPois}
274289 | Zig:18   | Identified the +7 arbalest of Haluolarph {heavy, rN++ Int-2
                  | Dex+2 Stlth-}
274296 | Zig:18   | Identified the staff of earth "Hoth" {rElec rC++}
274297 | Zig:18   | Identified the +8 glaive of Dullness {antimagic, rElec
                  | Str+3 Int+3}
274309 | Zig:18   | Identified the ring "Poenolez" {Fire rN+ Stlth+}
274320 | Zig:18   | Identified the staff of poison "Soenad" {rPois rF+++ Will-
                  | rCorr Str-3}
274321 | Zig:18   | Identified the staff of fire "Ythoph" {rF+ Dex+4}
274323 | Zig:18   | Identified the staff of air "Kuq Xoit" {rElec rPois Str+2
                  | Stlth+}
274325 | Zig:18   | Identified the +2 mace "Turchymiq" {drain, Dex+4}
274332 | Zig:18   | Identified the +4 great mace of Yrenez {heavy, rPois rN+
                  | Will+}
274356 | Zig:18   | Identified the +7 shortbow of Jebeudiu {freeze, rF+ Int+2}
274439 | Zig:19   | Entered Level 19 of a ziggurat
274450 | Zig:19   | Identified the +0 tower shield "Dokhloi" {rC+}
274460 | Zig:19   | Identified the +3 tower shield "Tite" {rN++}
274463 | Zig:19   | Identified the +2 tower shield of Xeasobbi {rCorr Int+3
                  | Stlth-}
274466 | Zig:19   | Identified the +8 tower shield of Gluttony {rPois Will-
                  | Regen+}
274466 | Zig:19   | Identified the +6 tower shield "Limexker" {Rampage Drain
                  | rPois Dex+8}
274762 | Zig:19   | Identified the +2 dagger of Peit {freeze, Dex+3}
274776 | Zig:19   | Identified the +0 leather armour "Umnaogha" {Str+4 Int+3}
274777 | Zig:19   | Identified the amulet "Jethram" {Acrobat rC+ rN+ Str+3
                  | Int+3}
274781 | Zig:19   | Identified the staff of cold "Ustretup" {rC+ Int+4}
274785 | Zig:19   | Identified the +11 war axe "Upoozeid" {protect, rC+ Str+2}
274791 | Zig:19   | Identified the staff of conjuration "Saum" {rElec Will+
                  | Int-4 Stlth+}
274801 | Zig:19   | Identified the +0 helmet of the Unbroken {rF+ rC- Dex+3
                  | Stlth+}
274813 | Zig:19   | Identified the staff of cold "Muissiol" {rElec rC+ rN+}
275118 | Zig:19   | Identified the +0 tower shield "Degayn" {rC+ rN+ Dex+4}
                  | (You took it off a daeva on level 19 of a ziggurat)
275187 | Zig:19   | Identified the ring of Xom's Full Attention {rF- rC- Will+
                  | rCorr Dex+8}
275215 | Zig:20   | Entered Level 20 of a ziggurat
275215 | Zig:20   | Noticed a juggernaut
275215 | Zig:20   | Noticed a juggernaut
275215 | Zig:20   | Noticed a juggernaut
275215 | Zig:20   | Noticed a juggernaut
275215 | Zig:20   | Noticed a juggernaut
275215 | Zig:20   | Noticed a juggernaut
275215 | Zig:20   | Noticed a juggernaut
275215 | Zig:20   | Noticed a juggernaut
275215 | Zig:20   | Noticed a juggernaut
275216 | Zig:20   | Killed a juggernaut
275216 | Zig:20   | Killed a juggernaut
275216 | Zig:20   | Killed a juggernaut
275216 | Zig:20   | Killed a juggernaut
275216 | Zig:20   | Killed a juggernaut
275216 | Zig:20   | Killed a juggernaut
275216 | Zig:20   | Killed a juggernaut
275216 | Zig:20   | Noticed a juggernaut
275217 | Zig:20   | Noticed a juggernaut
275217 | Zig:20   | Noticed a juggernaut
275218 | Zig:20   | Noticed a juggernaut
275219 | Zig:20   | Noticed a juggernaut
275219 | Zig:20   | Noticed a juggernaut
275220 | Zig:20   | Noticed a juggernaut
275221 | Zig:20   | Noticed a juggernaut
275221 | Zig:20   | Killed a juggernaut
275223 | Zig:20   | Killed a juggernaut
275223 | Zig:20   | Killed a juggernaut
275223 | Zig:20   | Killed a juggernaut
275223 | Zig:20   | Killed a juggernaut
275223 | Zig:20   | Killed a juggernaut
275223 | Zig:20   | Noticed a juggernaut
275224 | Zig:20   | Noticed a juggernaut
275224 | Zig:20   | Noticed a juggernaut
275224 | Zig:20   | Noticed a juggernaut
275224 | Zig:20   | Killed a juggernaut
275224 | Zig:20   | Killed a juggernaut
275224 | Zig:20   | Killed a juggernaut
275224 | Zig:20   | Noticed a juggernaut
275225 | Zig:20   | Noticed a juggernaut
275225 | Zig:20   | Noticed a juggernaut
275225 | Zig:20   | Noticed a juggernaut
275225 | Zig:20   | Noticed a juggernaut
275226 | Zig:20   | Noticed a juggernaut
275226 | Zig:20   | Noticed a juggernaut
275226 | Zig:20   | Noticed a juggernaut
275226 | Zig:20   | Noticed a juggernaut
275228 | Zig:20   | Noticed a juggernaut
275228 | Zig:20   | Noticed a juggernaut
275228 | Zig:20   | Noticed a juggernaut
275228 | Zig:20   | Noticed a juggernaut
275229 | Zig:20   | Noticed a juggernaut
275229 | Zig:20   | Killed a juggernaut
275229 | Zig:20   | Killed a juggernaut
275229 | Zig:20   | Killed a juggernaut
275229 | Zig:20   | Killed a juggernaut
275229 | Zig:20   | Killed a juggernaut
275229 | Zig:20   | Killed a juggernaut
275229 | Zig:20   | Killed a juggernaut
275229 | Zig:20   | Killed a juggernaut
275229 | Zig:20   | Killed a juggernaut
275229 | Zig:20   | Killed a juggernaut
275229 | Zig:20   | Noticed a juggernaut
275229 | Zig:20   | Noticed a juggernaut
275230 | Zig:20   | Killed a juggernaut
275230 | Zig:20   | Killed a juggernaut
275230 | Zig:20   | Killed a juggernaut
275230 | Zig:20   | Killed a juggernaut
275230 | Zig:20   | Killed a juggernaut
275230 | Zig:20   | Killed a juggernaut
275230 | Zig:20   | Noticed a juggernaut
275230 | Zig:20   | Noticed a juggernaut
275230 | Zig:20   | Noticed a juggernaut
275230 | Zig:20   | Noticed a juggernaut
275231 | Zig:20   | Noticed a juggernaut
275232 | Zig:20   | Noticed a juggernaut
275232 | Zig:20   | Noticed a juggernaut
275233 | Zig:20   | Noticed a juggernaut
275234 | Zig:20   | Noticed a juggernaut
275234 | Zig:20   | Noticed a juggernaut
275234 | Zig:20   | Noticed a juggernaut
275234 | Zig:20   | Killed a juggernaut
275234 | Zig:20   | Noticed a juggernaut
275235 | Zig:20   | Noticed a juggernaut
275235 | Zig:20   | Killed a juggernaut
275235 | Zig:20   | Killed a juggernaut
275235 | Zig:20   | Killed a juggernaut
275235 | Zig:20   | Noticed a juggernaut
275236 | Zig:20   | Noticed a juggernaut
275236 | Zig:20   | Noticed a juggernaut
275236 | Zig:20   | Killed a juggernaut
275236 | Zig:20   | Killed a juggernaut
275236 | Zig:20   | Killed a juggernaut
275236 | Zig:20   | Killed a juggernaut
275236 | Zig:20   | Killed a juggernaut
275236 | Zig:20   | Killed a juggernaut
275236 | Zig:20   | Killed a juggernaut
275237 | Zig:20   | Noticed a juggernaut
275237 | Zig:20   | Noticed a juggernaut
275237 | Zig:20   | Killed a juggernaut
275237 | Zig:20   | Killed a juggernaut
275237 | Zig:20   | Killed a juggernaut
275237 | Zig:20   | Killed a juggernaut
275237 | Zig:20   | Killed a juggernaut
275237 | Zig:20   | Noticed a juggernaut
275238 | Zig:20   | Killed a juggernaut
275239 | Zig:20   | Noticed a juggernaut
275239 | Zig:20   | Noticed a juggernaut
275239 | Zig:20   | Killed a juggernaut
275239 | Zig:20   | Noticed a juggernaut
275240 | Zig:20   | Killed a juggernaut
275240 | Zig:20   | Killed a juggernaut
275240 | Zig:20   | Killed a juggernaut
275241 | Zig:20   | Noticed a juggernaut
275241 | Zig:20   | Noticed a juggernaut
275242 | Zig:20   | Killed a juggernaut
275242 | Zig:20   | Killed a juggernaut
275242 | Zig:20   | Killed a juggernaut
275242 | Zig:20   | Killed a juggernaut
275243 | Zig:20   | Noticed a juggernaut
275245 | Zig:20   | Noticed a juggernaut
275247 | Zig:20   | Killed a juggernaut
275247 | Zig:20   | Killed a juggernaut
275247 | Zig:20   | Killed a juggernaut
275247 | Zig:20   | Killed a juggernaut
275248 | Zig:20   | Killed a juggernaut
275248 | Zig:20   | Killed a juggernaut
275994 | Zig:20   | Identified the +0 ring mail of the Original Sin {Str+5}
276030 | Zig:20   | Identified the +4 battleaxe "Goblitz" {antimagic, Dex+4}
276032 | Zig:20   | Identified the +5 rapier "Buatza Nese" {speed, rF+ Dex+3
                  | Stlth+}
276034 | Zig:20   | Identified the +0 short sword of Hubris {speed, Dex+2}
276050 | Zig:20   | Identified the staff of cold "Nynietie" {Fly rElec rF+ rC+
                  | Str+3}
276095 | Zig:20   | Identified the +4 shortbow of Diatz {drain, rElec rPois
                  | Str+2}
276099 | Zig:20   | Identified the +8 glaive of Waruuvor {flame, rElec rF++}
276107 | Zig:20   | Identified the ring "Kemm" {Fly rC+ Dex+4}
276113 | Zig:20   | Identified the +1 leather armour of Purpose {rElec rN+}
276125 | Zig:20   | Identified the +2 robe "Virug" {*Slow rElec rF+ Dex+3}
276126 | Zig:20   | Identified the staff of conjuration "Hatusem" {Str+3 SInv}
276127 | Zig:20   | Identified the +1 robe of Decompression {rN+++ Will- Int-3
                  | Slay+2}
276128 | Zig:20   | Identified the amulet of Kusostra {RegenMP rElec Stlth+}
276137 | Zig:20   | Identified the ring "Woapsenn" {Fly EV+5 Int-2 Dex+3}
276262 | Zig:21   | Entered Level 21 of a ziggurat
276555 | Zig:21   | Identified the staff of earth "Heeli" {rPois Str+4 Int+3}
276563 | Zig:21   | Identified the staff of cold "Orihoic" {rElec rC+ Str+5
                  | Dex+3}
276565 | Zig:21   | Identified the staff of air "Omuggue" {Fragile rElec Str+5
                  | SInv}
276574 | Zig:21   | Identified the +2 pair of gloves "Dinarum" {Harm rPois rN++
                  | Str-5}
276579 | Zig:21   | Identified the +0 robe of Entitlement {*Corrode rPois
                  | Will+++ Int+5}
276589 | Zig:21   | Identified the +1 leather armour of Free Will {Int+2}
276590 | Zig:21   | Identified the +0 falchion of Death's Door {spect, +Blink
                  | MP+9 Dex-5}
276602 | Zig:21   | Identified the +2 pair of gloves of Sauttat {*Slow Int+3
                  | Dex+3}
276639 | Zig:21   | Identified the +1 plate armour of Futhyes {Drain rElec
                  | rCorr Int+4}
277129 | Zig:22   | Entered Level 22 of a ziggurat
277129 | Zig:22   | Noticed a royal mummy
277129 | Zig:22   | Noticed a dread lich
277129 | Zig:22   | Noticed a royal mummy
277129 | Zig:22   | Noticed a royal mummy
277129 | Zig:22   | Noticed a royal mummy
277129 | Zig:22   | Noticed a royal mummy
277129 | Zig:22   | Noticed a royal mummy
277129 | Zig:22   | Noticed a royal mummy
277129 | Zig:22   | Noticed a royal mummy
277129 | Zig:22   | Noticed a royal mummy
277129 | Zig:22   | Noticed a royal mummy
277129 | Zig:22   | Noticed a royal mummy
277129 | Zig:22   | Noticed a royal mummy
277129 | Zig:22   | Noticed a royal mummy
277130 | Zig:22   | Noticed a royal mummy
277130 | Zig:22   | Noticed a royal mummy
277131 | Zig:22   | Noticed a royal mummy
277133 | Zig:22   | Killed a royal mummy
277133 | Zig:22   | Killed a royal mummy
277133 | Zig:22   | Killed a royal mummy
277133 | Zig:22   | Killed a royal mummy
277133 | Zig:22   | Killed a royal mummy
277133 | Zig:22   | Killed a royal mummy
277133 | Zig:22   | Killed a royal mummy
277133 | Zig:22   | Killed a royal mummy
277133 | Zig:22   | Killed a royal mummy
277133 | Zig:22   | Killed a royal mummy
277133 | Zig:22   | Killed a dread lich
277133 | Zig:22   | Killed a royal mummy
277133 | Zig:22   | Killed a royal mummy
277133 | Zig:22   | Killed a royal mummy
277133 | Zig:22   | Killed a royal mummy
277133 | Zig:22   | Killed a royal mummy
277133 | Zig:22   | Killed a royal mummy
277133 | Zig:22   | Noticed a royal mummy
277134 | Zig:22   | Noticed a royal mummy
277134 | Zig:22   | Noticed a royal mummy
277135 | Zig:22   | Noticed a royal mummy
277135 | Zig:22   | Noticed a royal mummy
277135 | Zig:22   | Noticed a royal mummy
277135 | Zig:22   | Noticed a royal mummy
277135 | Zig:22   | Noticed a royal mummy
277136 | Zig:22   | Noticed a royal mummy
277136 | Zig:22   | Noticed a royal mummy
277136 | Zig:22   | Noticed a royal mummy
277136 | Zig:22   | Noticed a royal mummy
277136 | Zig:22   | Noticed a royal mummy
277137 | Zig:22   | Noticed a royal mummy
277137 | Zig:22   | Noticed a royal mummy
277138 | Zig:22   | Noticed a royal mummy
277138 | Zig:22   | Noticed a royal mummy
277138 | Zig:22   | Noticed a royal mummy
277138 | Zig:22   | Noticed a royal mummy
277138 | Zig:22   | Noticed a royal mummy
277138 | Zig:22   | Noticed a royal mummy
277138 | Zig:22   | Noticed a royal mummy
277139 | Zig:22   | Noticed a royal mummy
277139 | Zig:22   | Noticed a royal mummy
277140 | Zig:22   | Killed a royal mummy
277140 | Zig:22   | Killed a royal mummy
277140 | Zig:22   | Killed a royal mummy
277140 | Zig:22   | Killed a royal mummy
277140 | Zig:22   | Killed a royal mummy
277140 | Zig:22   | Killed a royal mummy
277140 | Zig:22   | Killed a royal mummy
277140 | Zig:22   | Killed a royal mummy
277140 | Zig:22   | Killed a royal mummy
277140 | Zig:22   | Killed a royal mummy
277140 | Zig:22   | Killed a royal mummy
277140 | Zig:22   | Killed a royal mummy
277140 | Zig:22   | Noticed a royal mummy
277141 | Zig:22   | Killed a royal mummy
277141 | Zig:22   | Killed a royal mummy
277141 | Zig:22   | Killed a royal mummy
277141 | Zig:22   | Killed a royal mummy
277141 | Zig:22   | Killed a royal mummy
277141 | Zig:22   | Killed a royal mummy
277141 | Zig:22   | Killed a royal mummy
277141 | Zig:22   | Killed a royal mummy
277141 | Zig:22   | Killed a royal mummy
277142 | Zig:22   | Killed a royal mummy
277142 | Zig:22   | Killed a royal mummy
277142 | Zig:22   | Noticed a royal mummy
277142 | Zig:22   | Noticed a royal mummy
277142 | Zig:22   | Noticed a royal mummy
277142 | Zig:22   | Noticed a royal mummy
277143 | Zig:22   | Killed a royal mummy
277143 | Zig:22   | Killed a royal mummy
277143 | Zig:22   | Noticed a royal mummy
277143 | Zig:22   | Killed a royal mummy
277144 | Zig:22   | Noticed a royal mummy
277144 | Zig:22   | Noticed a royal mummy
277144 | Zig:22   | Noticed a royal mummy
277144 | Zig:22   | Noticed a royal mummy
277145 | Zig:22   | Noticed a royal mummy
277145 | Zig:22   | Noticed a royal mummy
277145 | Zig:22   | Noticed a royal mummy
277146 | Zig:22   | Noticed a royal mummy
277146 | Zig:22   | Noticed a royal mummy
277146 | Zig:22   | Killed a royal mummy
277146 | Zig:22   | Noticed a royal mummy
277147 | Zig:22   | Noticed a royal mummy
277147 | Zig:22   | Noticed a royal mummy
277148 | Zig:22   | Noticed a royal mummy
277148 | Zig:22   | Noticed a royal mummy
277148 | Zig:22   | Noticed a royal mummy
277148 | Zig:22   | Noticed a royal mummy
277149 | Zig:22   | Noticed a royal mummy
277149 | Zig:22   | Noticed a royal mummy
277149 | Zig:22   | Noticed a royal mummy
277149 | Zig:22   | Noticed a royal mummy
277150 | Zig:22   | Killed a royal mummy
277150 | Zig:22   | Killed a royal mummy
277150 | Zig:22   | Killed a royal mummy
277150 | Zig:22   | Killed a royal mummy
277150 | Zig:22   | Killed a royal mummy
277150 | Zig:22   | Killed a royal mummy
277150 | Zig:22   | Killed a royal mummy
277150 | Zig:22   | Killed a royal mummy
277150 | Zig:22   | Killed a royal mummy
277150 | Zig:22   | Killed a royal mummy
277150 | Zig:22   | Killed a royal mummy
277150 | Zig:22   | Killed a royal mummy
277150 | Zig:22   | Killed a royal mummy
277150 | Zig:22   | Killed a royal mummy
277150 | Zig:22   | Killed a royal mummy
277150 | Zig:22   | Noticed a royal mummy
277150 | Zig:22   | Noticed a royal mummy
277150 | Zig:22   | Noticed a royal mummy
277151 | Zig:22   | Killed a royal mummy
277151 | Zig:22   | Killed a royal mummy
277151 | Zig:22   | Killed a royal mummy
277151 | Zig:22   | Killed a royal mummy
277151 | Zig:22   | Killed a royal mummy
277151 | Zig:22   | Killed a royal mummy
277151 | Zig:22   | Killed a royal mummy
277151 | Zig:22   | Killed a royal mummy
277151 | Zig:22   | Killed a royal mummy
277151 | Zig:22   | Noticed a royal mummy
277151 | Zig:22   | Noticed a royal mummy
277152 | Zig:22   | Killed a royal mummy
277152 | Zig:22   | Noticed a royal mummy
277153 | Zig:22   | Noticed a royal mummy
277153 | Zig:22   | Noticed a royal mummy
277154 | Zig:22   | Noticed a royal mummy
277154 | Zig:22   | Noticed a royal mummy
277154 | Zig:22   | Noticed a royal mummy
277155 | Zig:22   | Noticed a royal mummy
277155 | Zig:22   | Noticed a royal mummy
277155 | Zig:22   | Noticed a royal mummy
277155 | Zig:22   | Noticed a royal mummy
277156 | Zig:22   | Noticed a royal mummy
277156 | Zig:22   | Noticed a royal mummy
277156 | Zig:22   | Noticed a royal mummy
277157 | Zig:22   | Noticed a royal mummy
277157 | Zig:22   | Killed a royal mummy
277157 | Zig:22   | Noticed a royal mummy
277158 | Zig:22   | Noticed a royal mummy
277158 | Zig:22   | Noticed a royal mummy
277158 | Zig:22   | Noticed a royal mummy
277158 | Zig:22   | Killed a royal mummy
277159 | Zig:22   | Noticed a royal mummy
277159 | Zig:22   | Noticed a royal mummy
277159 | Zig:22   | Noticed a royal mummy
277160 | Zig:22   | Killed a royal mummy
277160 | Zig:22   | Killed a royal mummy
277160 | Zig:22   | Killed a royal mummy
277160 | Zig:22   | Killed a royal mummy
277160 | Zig:22   | Killed a royal mummy
277160 | Zig:22   | Killed a royal mummy
277160 | Zig:22   | Killed a royal mummy
277160 | Zig:22   | Killed a royal mummy
277160 | Zig:22   | Killed a royal mummy
277160 | Zig:22   | Killed a royal mummy
277160 | Zig:22   | Killed a royal mummy
277160 | Zig:22   | Killed a royal mummy
277160 | Zig:22   | Noticed a royal mummy
277160 | Zig:22   | Noticed a royal mummy
277160 | Zig:22   | Killed a royal mummy
277161 | Zig:22   | Killed a royal mummy
277161 | Zig:22   | Killed a royal mummy
277161 | Zig:22   | Killed a royal mummy
277161 | Zig:22   | Killed a royal mummy
277163 | Zig:22   | Noticed a royal mummy
277163 | Zig:22   | Noticed a royal mummy
277164 | Zig:22   | Noticed a royal mummy
277165 | Zig:22   | Killed a royal mummy
277165 | Zig:22   | Killed a royal mummy
277165 | Zig:22   | Killed a royal mummy
277165 | Zig:22   | Killed a royal mummy
277165 | Zig:22   | Killed a royal mummy
277165 | Zig:22   | Killed a royal mummy
277165 | Zig:22   | Noticed a royal mummy
277165 | Zig:22   | Noticed a royal mummy
277166 | Zig:22   | Killed a royal mummy
277166 | Zig:22   | Noticed a royal mummy
277167 | Zig:22   | Noticed a royal mummy
277168 | Zig:22   | Noticed a royal mummy
277169 | Zig:22   | Noticed a royal mummy
277169 | Zig:22   | Noticed a royal mummy
277170 | Zig:22   | Killed a royal mummy
277170 | Zig:22   | Killed a royal mummy
277170 | Zig:22   | Killed a royal mummy
277170 | Zig:22   | Killed a royal mummy
277170 | Zig:22   | Killed a royal mummy
277170 | Zig:22   | Killed a royal mummy
277171 | Zig:22   | Killed a royal mummy
277172 | Zig:22   | Noticed a royal mummy
277172 | Zig:22   | Killed a royal mummy
277175 | Zig:22   | Killed a royal mummy
277175 | Zig:22   | Killed a royal mummy
277179 | Zig:22   | Killed a royal mummy
277938 | Zig:22   | Identified the amulet "Ellypp" {Reflect Will+ Str+4 SH+5}
277984 | Zig:22   | Identified the +3 mace of Jotaquci {flame, rN+}
277998 | Zig:22   | Identified the ring of Ohekko {+Blink Fly rF+ Will+ EV+5}
278003 | Zig:22   | Identified the +5 broad axe of Anguish {flame, Fly rC+++
                  | rN+ Int-4}
278012 | Zig:22   | Identified the +7 trident of Disorder {heavy, rF+}
278014 | Zig:22   | Identified the ring of Ilienu {rPois rN+ Int+3 Slay+2
                  | Stlth-}
278022 | Zig:22   | Identified the staff of air "Buexesch" {+Blink rElec Str+6
                  | Int-5 Dex+4}
278036 | Zig:22   | Identified the +0 robe of the Grape {-Cast +Inv Str+2
                  | Dex+4}
278047 | Zig:22   | Identified the +7 mace of the Dowdy God {protect, rF+
                  | Int+2}
278061 | Zig:22   | Identified the +2 buckler of the Moon {Harm}
278127 | Zig:22   | Identified the +9 morningstar "Fotwun" {heavy, rElec Str-4
                  | Int+3 Dex+3}
278210 | Zig:23   | Entered Level 23 of a ziggurat
278336 | Zig:23   | Identified the ring "Xistremm" {rElec rF+ rC- MP+9 Str+8}
278347 | Zig:23   | Identified the ring of Uhob {rC++ rCorr Str-3}
278348 | Zig:23   | Identified the staff of death "Wylymuss" {*Corrode rC+ rN+
                  | Dex+3}
278353 | Zig:23   | Identified the staff of conjuration "Gonam" {Int+3}
279146 | Zig:23   | Identified the +3 scale mail of Honesty {-Tele Drain
                  | Will+++ Stlth+}
279157 | Zig:24   | Entered Level 24 of a ziggurat
279169 | Zig:24   | Noticed an ancient lich
279172 | Zig:24   | Noticed an ancient lich
279178 | Zig:24   | Noticed an ancient lich
279179 | Zig:24   | Killed an ancient lich
279182 | Zig:24   | Killed an ancient lich
279182 | Zig:24   | Killed an ancient lich
279239 | Zig:24   | Noticed an ancient lich
279246 | Zig:24   | Killed an ancient lich
279299 | Abyss:4  | Cast into level 4 of the Abyss (reaper)
279315 | Zig:24   | Escaped the Abyss
279425 | Zig:24   | Noticed an ancient lich
279435 | Zig:24   | Killed an ancient lich
279716 | Zig:24   | Found the +5 robe of Misfortune {Harm *Corrode *Slow EV+5}
279743 | Zig:24   | Acquired 889 gold pieces
279750 | Zig:24   | Identified the +10 dagger "Koror" {flame, rElec Int+2
                  | Dex+3}
279752 | Zig:24   | Identified the +1 cloak of the True Pharaoh {Rampage rElec}
279758 | Zig:24   | Identified the +7 great sword of Naupnec {holy, rC+ rN+
                  | Dex-4}
279762 | Zig:24   | Identified the +0 triple sword of the Briny Deep {heavy,
                  | rF+ Int+3}
279763 | Zig:24   | Identified the amulet "Uxio" {Faith Dex+3 Slay+2}
279766 | Zig:24   | Identified the +2 robe of Orthodoxy {rF+ Will+ Archmagi}
279767 | Zig:24   | Identified the ring "Doz Zisuotel" {rF- Will+ Str+4 Int+3
                  | Dex+6}
279769 | Zig:24   | Identified the +4 mace of Descent {heavy, rElec Will-
                  | Stlth+}
280381 | Zig:25   | Entered Level 25 of a ziggurat
280676 | Zig:25   | Identified the staff of death "Ybbodu" {*Corrode rPois
                  | rF+++ rN+ Int+3}
280679 | Zig:25   | Identified the +9 flail "Cygehack" {freeze, rN++ rCorr
                  | Str+3}
280681 | Zig:25   | Identified the +2 great sword of Guawk {heavy, rF+ Str+3
                  | Int+2}
280684 | Zig:25   | Identified the ring "Koukh" {rN+ Str+6 SInv}
280689 | Zig:25   | Identified the +2 plate armour of Kitieng {Str+2 Slay+3}
280698 | Zig:25   | Identified the staff of poison "Tusiap" {rPois Str+5}
280701 | Zig:25   | Acquired 744 gold pieces
280705 | Zig:25   | Identified the +1 helmet of Gravity {-Tele rN+ Regen+
                  | Int+6}
280707 | Zig:25   | Identified the +0 chain mail of Uskayaw's Outrage {-Cast
                  | rN++}
280708 | Zig:25   | Identified the +3 dagger of Inflation {freeze, rC++ Str+4}
280709 | Zig:25   | Identified the +0 ring mail "Keppi Bang" {Rampage Regen+
                  | rCorr Stlth-}
280714 | Zig:25   | Identified the +2 robe of the Black Moon {Rampage Fly
                  | Dex+4}
280715 | Zig:25   | Identified the +4 whip of Qietheil {holy, rPois Int+2}
280732 | Zig:25   | Identified the +9 flail "Ceurioz" {heavy, Will+ Str+3}
280736 | Zig:25   | Identified the ring of Nam Vae {rPois rF++ Str+6}
280739 | Zig:25   | Identified the staff of air "Elifergh" {*Slow rElec rN++
                  | rCorr Str-4 Int+2}
280758 | Zig:25   | Identified the staff of poison "Jipres" {rPois rF+ Dex+3}
281399 | Zig:26   | Entered Level 26 of a ziggurat
282324 | Zig:26   | Identified the amulet "Fifilefe" {Faith *Slow Regen+ Int+8}
282338 | Zig:26   | Identified the staff of death "Xarr" {rPois rN+ Will+
                  | Dex-3}
282350 | Zig:26   | Identified the staff of earth "Pelualue" {rCorr}
282352 | Zig:26   | Identified the +2 crystal plate armour "Fiuvvoh" {rPois
                  | rCorr}
282387 | Zig:26   | Identified the staff of earth "Hura" {rElec Str+2 Int+3}
282434 | Zig:26   | Identified the +10 lajatang of Ceomed {elec, rPois}
282438 | Zig:26   | Identified the +7 battleaxe of a Thousand People {speed,
                  | rElec rN+ Str+3 Dex-4}
282441 | Zig:26   | Identified the staff of earth "Idysurph" {SInv}
282456 | Zig:26   | Identified the ring of Efuetoeh {Wiz rN+ Str+2 Int+2 Dex-5}
282472 | Zig:26   | Identified the +1 glaive of Crystal {flame, rF- rCorr
                  | Dex+3}
282476 | Zig:26   | Identified the +9 scimitar "Xoywaoph" {antimagic, rElec
                  | Will+}
282479 | Zig:26   | Identified the +4 hand axe of Doom {holy, SInv}
282482 | Zig:26   | Identified the +1 rapier "Derrioc" {heavy, rF- Dex+6}
282485 | Zig:26   | Identified the ring of Taashe {Will+ Dex+6}
282492 | Zig:26   | Identified the ring "Acoren" {rPois rCorr Dex+6 Stlth+}
282634 | Zig:27   | Entered Level 27 of a ziggurat
282640 | Zig:27   | Noticed a dread lich
282640 | Zig:27   | Noticed an ancient lich
282640 | Zig:27   | Noticed an ancient lich
282640 | Zig:27   | Noticed an ancient lich
282640 | Zig:27   | Noticed a dread lich
282641 | Zig:27   | Killed an ancient lich
282641 | Zig:27   | Killed an ancient lich
282641 | Zig:27   | Killed a dread lich
282641 | Zig:27   | Killed a dread lich
282642 | Zig:27   | Killed an ancient lich
282644 | Zig:27   | Noticed a dread lich
282645 | Zig:27   | Noticed an ancient lich
282645 | Zig:27   | Noticed a dread lich
282645 | Zig:27   | Noticed an ancient lich
282647 | Zig:27   | Noticed a dread lich
282647 | Zig:27   | Killed an ancient lich
282647 | Zig:27   | Killed a dread lich
282648 | Zig:27   | Noticed an ancient lich
282648 | Zig:27   | Noticed a dread lich
282649 | Zig:27   | Killed a dread lich
282649 | Zig:27   | Killed a dread lich
282649 | Zig:27   | Killed an ancient lich
282649 | Zig:27   | Killed a dread lich
282650 | Zig:27   | Killed an ancient lich
282650 | Zig:27   | Noticed a dread lich
282651 | Zig:27   | Noticed a dread lich
282652 | Zig:27   | Noticed an ancient lich
282653 | Zig:27   | Noticed a dread lich
282653 | Zig:27   | Noticed an ancient lich
282655 | Zig:27   | Killed a dread lich
282655 | Zig:27   | Killed an ancient lich
282655 | Zig:27   | Killed a dread lich
282655 | Zig:27   | Killed a dread lich
282655 | Zig:27   | Killed an ancient lich
282656 | Zig:27   | Noticed an ancient lich
282656 | Zig:27   | Noticed a dread lich
282656 | Zig:27   | Noticed an ancient lich
282656 | Zig:27   | Noticed a dread lich
282657 | Zig:27   | Killed a dread lich
282658 | Zig:27   | Noticed a dread lich
282659 | Zig:27   | Noticed a dread lich
282659 | Zig:27   | Noticed a dread lich
282662 | Zig:27   | Noticed an ancient lich
282662 | Zig:27   | Killed an ancient lich
282662 | Zig:27   | Killed an ancient lich
282662 | Zig:27   | Killed a dread lich
282663 | Zig:27   | Killed a dread lich
282663 | Zig:27   | Killed a dread lich
282663 | Zig:27   | Killed a dread lich
282663 | Zig:27   | Killed an ancient lich
282664 | Zig:27   | Noticed an ancient lich
282664 | Zig:27   | Noticed a dread lich
282666 | Zig:27   | Noticed an ancient lich
282666 | Zig:27   | Noticed an ancient lich
282668 | Zig:27   | Killed an ancient lich
282669 | Zig:27   | Killed an ancient lich
282669 | Zig:27   | Killed an ancient lich
282669 | Zig:27   | Killed a dread lich
282671 | Zig:27   | Noticed an ancient lich
282673 | Zig:27   | Noticed an ancient lich
282674 | Zig:27   | Killed an ancient lich
282674 | Zig:27   | Killed an ancient lich
282674 | Zig:27   | Noticed an ancient lich
282680 | Zig:27   | Killed an ancient lich
282899 | Zig:27   | Identified the staff of death "Roicut" {rF+ rN+ MP+9 Dex+3}
282903 | Zig:27   | Identified the +7 plate armour "Usialaw" {rElec Str+5}
282908 | Zig:27   | Identified the ring "Jodwol" {rF- rC++ Int+6 Dex+5}
282913 | Zig:27   | Identified the +9 hand axe of Udes {pain, rC++ MP+9}
282915 | Zig:27   | Identified the +1 robe of Hangman {rF+ rC+ Str+4 Stlth-}
282930 | Zig:27   | Acquired 1081 gold pieces
282939 | Zig:27   | Identified the ring "Moreigri" {rF- rC+ rN+++ Int+6 Slay-3}
282940 | Zig:27   | Identified the ring "Pagrutum" {+Blink rC+ Str+3}
282954 | Zig:27   | Identified the +3 scale mail of Timisit {Harm rC+ Int-5
                  | Dex+7}
282960 | Zig:27   | Identified the +1 quarterstaff of Hyeligin {holy, Str+6}
282965 | Zig:27   | Identified the ring "Ykekeq" {rC+ rN+ Int+4}
282985 | Zig:27   | Identified the +8 demon whip "Yghahess" {venom, SInv}
282988 | Zig:27   | Identified the +3 dagger "Raecum" {heavy, rF- rCorr Str+4
                  | Int+3}
282995 | Zig:27   | Identified the staff of conjuration "Neraklue" {rN++ Dex-4}
283003 | Zig:27   | Identified the +0 mace "Demonspawn's Peril" {speed, rElec}
283011 | Zig:27   | Identified the ring of Bewaesha {MP+9 Str+4}
283020 | Zig:27   | Identified the ring of Elugiewn {rElec rPois rCorr Int+6}
283034 | Zig:27   | Identified the +1 trident of Sih Heit {heavy, *Slow rF++
                  | MP+9 Dex+3}
283056 | Zig:27   | Identified the staff of conjuration "Zuas" {rElec}
283058 | Zig:27   | Identified the +0 scale mail of the Cuttlefish {rN+}
283069 | Zig:27   | Identified the amulet of Nuvaots {Reflect rElec SH+5}
283835 | Zig:1    | Entered Level 1 of a ziggurat
283954 | Zig:2    | Entered Level 2 of a ziggurat
283958 | Zig:2    | Noticed Paqahih the pandemonium lord
283965 | Zig:2    | Killed Paqahih the pandemonium lord
284188 | Zig:3    | Entered Level 3 of a ziggurat
284188 | Zig:3    | Noticed Redomuose the pandemonium lord
284188 | Zig:3    | Noticed Pessokla the pandemonium lord
284188 | Zig:3    | Noticed Inuffeg the pandemonium lord
284188 | Zig:3    | Noticed Luxaarph the pandemonium lord
284188 | Zig:3    | Noticed Wudos the pandemonium lord
284188 | Zig:3    | Noticed Gedd the pandemonium lord
284188 | Zig:3    | Noticed Jeuq the pandemonium lord
284188 | Zig:3    | Noticed Zadoschu the pandemonium lord
284189 | Zig:3    | Killed Redomuose the pandemonium lord
284189 | Zig:3    | Killed Gedd the pandemonium lord
284191 | Zig:3    | Killed Jeuq the pandemonium lord
284191 | Zig:3    | Killed Wudos the pandemonium lord
284191 | Zig:3    | Killed Zadoschu the pandemonium lord
284192 | Zig:3    | Killed Luxaarph the pandemonium lord
284192 | Zig:3    | Killed Pessokla the pandemonium lord
284192 | Zig:3    | Noticed Kabui the pandemonium lord
284193 | Zig:3    | Killed Inuffeg the pandemonium lord
284197 | Zig:3    | Killed Kabui the pandemonium lord
284346 | Zig:3    | Identified the staff of conjuration "Ralaff" {rF+ MP-9
                  | Dex+7 Stlth+}
284393 | Zig:3    | Identified the staff of cold "Sesyxtur" {rC+ rN+}
284423 | Zig:4    | Entered Level 4 of a ziggurat
284439 | Zig:4    | Identified the +1 helmet of the Dice {rElec Str+2 Int+3}
284646 | Zig:4    | Identified the ring "Naowivos" {Wiz rPois Will- rCorr}
284650 | Zig:4    | Identified the staff of death "Acususme" {Drain rPois rN+
                  | Int-4 SInv}
284712 | Zig:5    | Entered Level 5 of a ziggurat
284846 | Zig:5    | Identified the +9 ring mail "Cagoiz" {Int+2}
284975 | Zig:6    | Entered Level 6 of a ziggurat
284975 | Zig:6    | Noticed a royal mummy
284975 | Zig:6    | Noticed a royal mummy
284975 | Zig:6    | Noticed a royal mummy
284976 | Zig:6    | Killed a royal mummy
284976 | Zig:6    | Killed a royal mummy
284976 | Zig:6    | Noticed a royal mummy
284977 | Zig:6    | Killed a royal mummy
284977 | Zig:6    | Killed a royal mummy
284977 | Zig:6    | Noticed a royal mummy
284980 | Zig:6    | Noticed a royal mummy
284981 | Zig:6    | Killed a royal mummy
284981 | Zig:6    | Killed a royal mummy
284982 | Zig:6    | Noticed a royal mummy
284983 | Zig:6    | Noticed a royal mummy
284987 | Zig:6    | Killed a royal mummy
284991 | Zig:6    | Killed a royal mummy
285278 | Zig:6    | Identified the +5 shortbow of Might {heavy, rElec rF++ rC+
                  | rCorr}
285292 | Zig:7    | Entered Level 7 of a ziggurat
285292 | Zig:7    | Noticed a royal mummy
285292 | Zig:7    | Noticed a royal mummy
285293 | Zig:7    | Killed a royal mummy
285293 | Zig:7    | Killed a royal mummy
285295 | Zig:7    | Noticed a royal mummy
285295 | Zig:7    | Noticed a royal mummy
285295 | Zig:7    | Noticed a royal mummy
285300 | Zig:7    | Noticed a royal mummy
285304 | Zig:7    | Killed a royal mummy
285304 | Zig:7    | Killed a royal mummy
285304 | Zig:7    | Killed a royal mummy
285305 | Zig:7    | Killed a royal mummy
285584 | Zig:7    | Identified the ring "Laogh" {rF+ rCorr}
285588 | Zig:7    | Identified the staff of conjuration "Luadon" {+Blink}
285600 | Zig:8    | Entered Level 8 of a ziggurat
285600 | Zig:8    | Noticed a juggernaut
285600 | Zig:8    | Noticed a juggernaut
285600 | Zig:8    | Noticed a juggernaut
285600 | Zig:8    | Noticed a juggernaut
285600 | Zig:8    | Noticed a juggernaut
285600 | Zig:8    | Noticed a juggernaut
285600 | Zig:8    | Noticed a juggernaut
285601 | Zig:8    | Killed a juggernaut
285601 | Zig:8    | Killed a juggernaut
285601 | Zig:8    | Killed a juggernaut
285601 | Zig:8    | Killed a juggernaut
285601 | Zig:8    | Killed a juggernaut
285601 | Zig:8    | Killed a juggernaut
285602 | Zig:8    | Noticed a juggernaut
285603 | Zig:8    | Noticed a juggernaut
285605 | Zig:8    | Killed a juggernaut
285607 | Zig:8    | Killed a juggernaut
285611 | Zig:8    | Killed a juggernaut
285804 | Zig:8    | Identified the ring "Biarhota" {rElec Will+ Str-5 Int-4
                  | SInv}
285806 | Zig:8    | Identified the +11 great mace of Equilibrium {heavy, Fly
                  | Will+ Int-5}
285811 | Zig:8    | Identified the ring "Ehomac" {rC++ rN+ Stlth+}
285817 | Zig:8    | Identified the ring of Uplogry Wasa {rF+ rC+ Will++ MP+9}
285864 | Zig:8    | Identified the +3 morningstar of Usioh Odis {venom, rPois
                  | rC+ Dex+2}
285874 | Zig:8    | Identified the +4 demon trident "Yhiyd" {heavy, rF+}
285879 | Zig:9    | Entered Level 9 of a ziggurat
286092 | Zig:9    | Identified the ring "Raitieh" {+Blink rN+ MP+9}
286097 | Zig:9    | Identified the amulet "Zuyb" {Faith rElec rF++ Will-}
286100 | Zig:9    | Identified the +1 cloak "Siobroj" {rF++ rC- Int+3}
286101 | Zig:9    | Identified the staff of poison "Kauxtaad" {Fragile rPois
                  | rF+ Dex+2 Stlth+}
286105 | Zig:9    | Identified the staff of poison "Qehuri" {Fly rPois rC+}
286110 | Zig:9    | Identified the staff of air "Qyorphibo" {rElec rN++}
286111 | Zig:9    | Identified the amulet "Lire" {Regen+ Slay+2}
286149 | Zig:9    | Identified the +6 quarterstaff "Lujosev" {flame, *Noise
                  | rPois Str+3}
286320 | Zig:10   | Entered Level 10 of a ziggurat
286646 | Zig:10   | Identified the +2 great sword of Autumn {heavy, *Noise Fly
                  | rElec rN+}
286654 | Zig:10   | Identified the staff of death "Puit" {rN+ Int+3}
286659 | Zig:10   | Identified the +1 lajatang of the Scavenger {antimagic,
                  | *Rage rPois rN+ Will+ SInv}
286660 | Zig:10   | Identified the +9 lajatang of Joelawuq {pain, Will+ Int-5
                  | SInv}
286680 | Zig:10   | Identified the +1 hat of Recklessness {rC+ Str+2}
286682 | Zig:10   | Identified the +5 dire flail "Difyloik" {drain, Int+2}
286709 | Zig:11   | Entered Level 11 of a ziggurat
287056 | Zig:11   | Identified the +5 scale mail "Wuyr" {rCorr Str+2 Int-4}
287057 | Zig:11   | Identified the +3 kite shield of Lifelessness {+Inv rElec
                  | rC- Regen+}
287058 | Zig:11   | Identified the staff of cold "Enlouz" {rC+ rCorr}
287060 | Zig:11   | Identified the +1 war axe of Earthquakes {vamp, rPois rC+}
287076 | Zig:11   | Identified the +1 demon whip of Makhleb's Whim {pain, rN+}
287080 | Zig:11   | Identified the +0 robe of Laowk {Harm}
287108 | Zig:12   | Entered Level 12 of a ziggurat
287108 | Zig:12   | Noticed a royal mummy
287108 | Zig:12   | Noticed a royal mummy
287108 | Zig:12   | Noticed a royal mummy
287108 | Zig:12   | Noticed a royal mummy
287108 | Zig:12   | Noticed a royal mummy
287108 | Zig:12   | Noticed a royal mummy
287108 | Zig:12   | Noticed a royal mummy
287109 | Zig:12   | Killed a royal mummy
287109 | Zig:12   | Killed a royal mummy
287109 | Zig:12   | Killed a royal mummy
287109 | Zig:12   | Killed a royal mummy
287109 | Zig:12   | Killed a royal mummy
287109 | Zig:12   | Killed a royal mummy
287111 | Zig:12   | Noticed a royal mummy
287111 | Zig:12   | Noticed a royal mummy
287111 | Zig:12   | Noticed a royal mummy
287112 | Zig:12   | Noticed a royal mummy
287114 | Zig:12   | Killed a royal mummy
287115 | Zig:12   | Killed a royal mummy
287115 | Zig:12   | Killed a royal mummy
287115 | Zig:12   | Killed a royal mummy
287115 | Zig:12   | Noticed a royal mummy
287115 | Zig:12   | Noticed a royal mummy
287116 | Zig:12   | Noticed a royal mummy
287116 | Zig:12   | Killed a royal mummy
287116 | Zig:12   | Noticed a royal mummy
287117 | Zig:12   | Killed a royal mummy
287118 | Zig:12   | Noticed a royal mummy
287120 | Zig:12   | Noticed a royal mummy
287121 | Zig:12   | Killed a royal mummy
287121 | Zig:12   | Killed a royal mummy
287123 | Zig:12   | Noticed a royal mummy
287124 | Zig:12   | Killed a royal mummy
287128 | Zig:12   | Killed a royal mummy
287129 | Zig:12   | Killed a royal mummy
287131 | Zig:12   | Killed a royal mummy
287431 | Zig:12   | Identified the staff of death "Athuomuo" {rN+ Dex+3}
287452 | Zig:12   | Identified the staff of earth "Iparablo" {Will++ rCorr}
287453 | Zig:12   | Identified the amulet "Ahuatog" {Spirit rCorr Int+3 Stlth-}
287454 | Zig:12   | Identified the staff of death "Qopoi" {rElec rN+ Dex+2}
287470 | Zig:13   | Entered Level 13 of a ziggurat
287470 | Zig:13   | Identified the -1 tower shield "Koedur" {MP+9 Int+2 Slay+2}
287480 | Zig:13   | Noticed a dread lich
287483 | Zig:13   | Killed a starcursed mass
287483 | Zig:13   | Killed a dread lich
287598 | Zig:13   | Identified the staff of death "Igea" {rN+ Dex+2}
287610 | Zig:13   | Identified the +1 plate armour "Ulol" {Contam rN++ Will+}
287618 | Zig:13   | Identified the +7 plate armour of Compassion {rPois rF+
                  | Int-3}
287876 | Zig:14   | Entered Level 14 of a ziggurat
287876 | Zig:14   | Noticed a juggernaut
287876 | Zig:14   | Noticed a juggernaut
287876 | Zig:14   | Noticed a juggernaut
287876 | Zig:14   | Noticed a juggernaut
287877 | Zig:14   | Killed a juggernaut
287879 | Zig:14   | Noticed a juggernaut
287879 | Zig:14   | Noticed a juggernaut
287880 | Zig:14   | Noticed a juggernaut
287881 | Zig:14   | Noticed a juggernaut
287881 | Zig:14   | Killed a juggernaut
287881 | Zig:14   | Killed a juggernaut
287882 | Zig:14   | Killed a juggernaut
287883 | Zig:14   | Killed a juggernaut
287883 | Zig:14   | Killed a juggernaut
287883 | Zig:14   | Killed a juggernaut
287883 | Zig:14   | Killed a juggernaut
287885 | Zig:14   | Noticed a juggernaut
287886 | Zig:14   | Noticed a juggernaut
287889 | Zig:14   | Killed a juggernaut
287892 | Zig:14   | Identified the +8 plate armour of the Cockatrice {*Slow
                  | +Inv rPois rC+ Int+2}
287900 | Zig:14   | Killed a juggernaut
288145 | Zig:14   | Identified the +2 scale mail of Hedonism {rF+++ rC- Int+6
                  | Stlth-}
288147 | Zig:14   | Identified the +5 morningstar of Skirmishing {venom, *Noise
                  | Str+3 Int+3 Dex+4}
288164 | Zig:14   | Identified the +3 plate armour of Peek-a-Boo {rPois}
288198 | Zig:14   | Identified the staff of death "Tifaurhe" {rN+ Int+2}
288206 | Zig:14   | Identified the +1 robe of the Ageless Thickets {rF+ Int+4}
288211 | Zig:14   | Identified the +4 spear "Yteb" {elec, Drain rF++}
288237 | Zig:14   | Identified the ring "Sorheduo" {Fire rCorr MP+9 Int+3}
288244 | Zig:14   | Identified the +5 great mace of the Abyss {protect, Dex+3}
288254 | Zig:14   | Identified the +2 mace of Interdependent Arising {elec,
                  | Int+4}
288267 | Zig:14   | Identified the ring "Ipuxkiawn" {MP+9 Str+4}
288310 | Zig:15   | Entered Level 15 of a ziggurat
288310 | Zig:15   | Noticed a royal mummy
288310 | Zig:15   | Noticed a royal mummy
288310 | Zig:15   | Noticed a royal mummy
288310 | Zig:15   | Noticed a royal mummy
288310 | Zig:15   | Noticed a royal mummy
288310 | Zig:15   | Noticed a royal mummy
288311 | Zig:15   | Killed a royal mummy
288311 | Zig:15   | Killed a royal mummy
288311 | Zig:15   | Killed a royal mummy
288311 | Zig:15   | Killed a royal mummy
288311 | Zig:15   | Killed a royal mummy
288313 | Zig:15   | Noticed a royal mummy
288313 | Zig:15   | Noticed a royal mummy
288313 | Zig:15   | Noticed a royal mummy
288314 | Zig:15   | Noticed a royal mummy
288314 | Zig:15   | Noticed a royal mummy
288314 | Zig:15   | Noticed a royal mummy
288314 | Zig:15   | Noticed a royal mummy
288316 | Zig:15   | Noticed a royal mummy
288316 | Zig:15   | Killed a royal mummy
288317 | Zig:15   | Noticed a royal mummy
288317 | Zig:15   | Noticed a royal mummy
288320 | Zig:15   | Noticed a royal mummy
288320 | Zig:15   | Noticed a royal mummy
288320 | Zig:15   | Noticed a royal mummy
288320 | Zig:15   | Noticed a royal mummy
288321 | Zig:15   | Killed a royal mummy
288321 | Zig:15   | Killed a royal mummy
288321 | Zig:15   | Killed a royal mummy
288321 | Zig:15   | Killed a royal mummy
288321 | Zig:15   | Killed a royal mummy
288321 | Zig:15   | Killed a royal mummy
288321 | Zig:15   | Killed a royal mummy
288321 | Zig:15   | Killed a royal mummy
288321 | Zig:15   | Killed a royal mummy
288321 | Zig:15   | Killed a royal mummy
288321 | Zig:15   | Killed a royal mummy
288323 | Zig:15   | Noticed a royal mummy
288323 | Zig:15   | Killed a royal mummy
288324 | Zig:15   | Noticed a royal mummy
288324 | Zig:15   | Noticed a royal mummy
288325 | Zig:15   | Killed a royal mummy
288328 | Zig:15   | Killed a royal mummy
288330 | Zig:15   | Killed a royal mummy
288330 | Zig:15   | Killed a royal mummy
288334 | Zig:15   | Killed a royal mummy
288408 | Zig:15   | Identified the amulet of Ehed Hosh {rC+ Will+ Regen+ Dex+4}
288411 | Zig:15   | Identified the +0 plate armour of Vanity {rC+ Regen+ rCorr
                  | Dex+3}
288413 | Zig:15   | Identified the +8 sling "Ippau" {antimagic, rF+ rN+ Int+4}
288414 | Zig:15   | Identified the +7 hand axe of Conscience {spect, Fragile
                  | rElec rN+ Int+4}
288431 | Zig:15   | Identified the +3 scale mail "Qielunua" {Rampage rCorr
                  | Int+3}
288745 | Zig:16   | Entered Level 16 of a ziggurat
288745 | Zig:16   | Noticed Eptef the pandemonium lord
288745 | Zig:16   | Noticed Qyzep the pandemonium lord
288745 | Zig:16   | Noticed Dodak the pandemonium lord
288745 | Zig:16   | Noticed Wuloecac the pandemonium lord
288745 | Zig:16   | Noticed Wiablil the pandemonium lord
288745 | Zig:16   | Noticed Coozeir the pandemonium lord
288745 | Zig:16   | Noticed Zucurphu the pandemonium lord
288745 | Zig:16   | Noticed Ifoofor the pandemonium lord
288745 | Zig:16   | Noticed Ocoac the pandemonium lord
288745 | Zig:16   | Noticed Xin Okyskus the pandemonium lord
288745 | Zig:16   | Noticed Sume the pandemonium lord
288745 | Zig:16   | Noticed Hahipuj the pandemonium lord
288745 | Zig:16   | Noticed Kyoff the pandemonium lord
288745 | Zig:16   | Noticed Yliypn the pandemonium lord
288745 | Zig:16   | Noticed Kasy the pandemonium lord
288745 | Zig:16   | Noticed Gociudoh the pandemonium lord
288745 | Zig:16   | Noticed Ycvypnehu the pandemonium lord
288745 | Zig:16   | Noticed Johov the pandemonium lord
288745 | Zig:16   | Noticed Kiantoac the pandemonium lord
288745 | Zig:16   | Noticed Repown the pandemonium lord
288745 | Zig:16   | Noticed Ryfon the pandemonium lord
288745 | Zig:16   | Noticed Hennifogh the pandemonium lord
288745 | Zig:16   | Noticed Paughu the pandemonium lord
288745 | Zig:16   | Noticed Loymax the pandemonium lord
288745 | Zig:16   | Noticed Guosugoi the pandemonium lord
288746 | Zig:16   | Killed Wiablil the pandemonium lord
288746 | Zig:16   | Killed Xin Okyskus the pandemonium lord
288746 | Zig:16   | Killed Ryfon the pandemonium lord
288746 | Zig:16   | Killed Kyoff the pandemonium lord
288746 | Zig:16   | Killed Gociudoh the pandemonium lord
288746 | Zig:16   | Killed Loymax the pandemonium lord
288746 | Zig:16   | Killed Repown the pandemonium lord
288746 | Zig:16   | Noticed Mevohe the pandemonium lord
288746 | Zig:16   | Noticed Waol the pandemonium lord
288747 | Zig:16   | Killed Hahipuj the pandemonium lord
288747 | Zig:16   | Killed Kasy the pandemonium lord
288747 | Zig:16   | Killed Zucurphu the pandemonium lord
288747 | Zig:16   | Killed Sume the pandemonium lord
288747 | Zig:16   | Killed Kiantoac the pandemonium lord
288747 | Zig:16   | Killed Eptef the pandemonium lord
288747 | Zig:16   | Killed Wuloecac the pandemonium lord
288747 | Zig:16   | Noticed Dedi Jix the pandemonium lord
288748 | Zig:16   | Noticed Roass the pandemonium lord
288748 | Zig:16   | Noticed Ceschiupn the pandemonium lord
288748 | Zig:16   | Noticed Suhitul the pandemonium lord
288748 | Zig:16   | Noticed Nurar the pandemonium lord
288749 | Zig:16   | Noticed Jaomeygu the pandemonium lord
288749 | Zig:16   | Noticed Xoetaet the pandemonium lord
288749 | Zig:16   | Noticed Behoyguh the pandemonium lord
288749 | Zig:16   | Noticed Ahogary the pandemonium lord
288749 | Zig:16   | Noticed Zaunazy the pandemonium lord
288749 | Zig:16   | Killed Johov the pandemonium lord
288749 | Zig:16   | Noticed Ufotaw the pandemonium lord
288749 | Zig:16   | Killed Guosugoi the pandemonium lord
288750 | Zig:16   | Noticed Ehaof the pandemonium lord
288750 | Zig:16   | Noticed Xarun the pandemonium lord
288750 | Zig:16   | Noticed Sauxt the pandemonium lord
288750 | Zig:16   | Noticed Caireid the pandemonium lord
288750 | Zig:16   | Noticed Boxt the pandemonium lord
288750 | Zig:16   | Noticed Ydia the pandemonium lord
288750 | Zig:16   | Killed Coozeir the pandemonium lord
288751 | Zig:16   | Noticed Afocka the pandemonium lord
288751 | Zig:16   | Noticed Etebeckias the pandemonium lord
288751 | Zig:16   | Noticed Tiylient the pandemonium lord
288751 | Zig:16   | Killed Paughu the pandemonium lord
288751 | Zig:16   | Noticed Fizytie the pandemonium lord
288752 | Zig:16   | Killed Ceschiupn the pandemonium lord
288753 | Zig:16   | Noticed Kul Qoj the pandemonium lord
288753 | Zig:16   | Killed Hennifogh the pandemonium lord
288753 | Zig:16   | Noticed Caosazich the pandemonium lord
288754 | Zig:16   | Noticed Zoxeygujy the pandemonium lord
288754 | Zig:16   | Noticed Vupli the pandemonium lord
288754 | Zig:16   | Noticed Iwalupn the pandemonium lord
288754 | Zig:16   | Killed Mevohe the pandemonium lord
288754 | Zig:16   | Killed Ifoofor the pandemonium lord
288754 | Zig:16   | Killed Suhitul the pandemonium lord
288754 | Zig:16   | Killed Dodak the pandemonium lord
288755 | Zig:16   | Killed Waol the pandemonium lord
288757 | Zig:16   | Noticed Curron the pandemonium lord
288757 | Zig:16   | Noticed Siun the pandemonium lord
288757 | Zig:16   | Noticed Leckat the pandemonium lord
288762 | Zig:16   | Killed Caireid the pandemonium lord
288762 | Zig:16   | Killed Qyzep the pandemonium lord
288762 | Zig:16   | Killed Siun the pandemonium lord
288762 | Zig:16   | Killed Kul Qoj the pandemonium lord
288762 | Zig:16   | Killed Dedi Jix the pandemonium lord
288762 | Zig:16   | Killed Xoetaet the pandemonium lord
288762 | Zig:16   | Killed Ehaof the pandemonium lord
288762 | Zig:16   | Killed Nurar the pandemonium lord
288762 | Zig:16   | Killed Fizytie the pandemonium lord
288762 | Zig:16   | Killed Jaomeygu the pandemonium lord
288762 | Zig:16   | Killed Afocka the pandemonium lord
288762 | Zig:16   | Killed Ocoac the pandemonium lord
288762 | Zig:16   | Killed Ahogary the pandemonium lord
288762 | Zig:16   | Killed Etebeckias the pandemonium lord
288762 | Zig:16   | Killed Sauxt the pandemonium lord
288762 | Zig:16   | Killed Xarun the pandemonium lord
288762 | Zig:16   | Noticed Umiam the pandemonium lord
288762 | Zig:16   | Noticed Naok the pandemonium lord
288763 | Zig:16   | Killed Leckat the pandemonium lord
288766 | Zig:16   | Noticed Gelesas the pandemonium lord
288766 | Zig:16   | Killed Caosazich the pandemonium lord
288767 | Zig:16   | Killed Zaunazy the pandemonium lord
288768 | Zig:16   | Noticed Ubbuqymuru the pandemonium lord
288769 | Zig:16   | Killed Ydia the pandemonium lord
288770 | Zig:16   | Killed Vupli the pandemonium lord
288771 | Zig:16   | Killed Ufotaw the pandemonium lord
288771 | Zig:16   | Killed Tiylient the pandemonium lord
288771 | Zig:16   | Noticed Xoar the pandemonium lord
288772 | Zig:16   | Killed Curron the pandemonium lord
288772 | Zig:16   | Killed Zoxeygujy the pandemonium lord
288772 | Zig:16   | Killed Ycvypnehu the pandemonium lord
288773 | Zig:16   | Killed Boxt the pandemonium lord
288773 | Zig:16   | Killed Roass the pandemonium lord
288773 | Zig:16   | Killed Gelesas the pandemonium lord
288773 | Zig:16   | Noticed Pixy the pandemonium lord
288773 | Zig:16   | Noticed Okym the pandemonium lord
288773 | Zig:16   | Noticed Eqeus the pandemonium lord
288774 | Zig:16   | Killed Iwalupn the pandemonium lord
288774 | Zig:16   | Killed Umiam the pandemonium lord
288774 | Zig:16   | Killed Naok the pandemonium lord
288775 | Zig:16   | Noticed Ryruun the pandemonium lord
288776 | Zig:16   | Noticed Kouski Jokh the pandemonium lord
288776 | Zig:16   | Killed Xoar the pandemonium lord
288776 | Zig:16   | Killed Ubbuqymuru the pandemonium lord
288776 | Zig:16   | Killed Yliypn the pandemonium lord
288776 | Zig:16   | Noticed Puis the pandemonium lord
288776 | Zig:16   | Noticed Obrer the pandemonium lord
288777 | Zig:16   | Killed Behoyguh the pandemonium lord
288777 | Zig:16   | Killed Ryruun the pandemonium lord
288777 | Zig:16   | Killed Eqeus the pandemonium lord
288778 | Zig:16   | Noticed Plog the pandemonium lord
288778 | Zig:16   | Noticed Bapat the pandemonium lord
288778 | Zig:16   | Noticed Mutisua the pandemonium lord
288779 | Zig:16   | Killed Pixy the pandemonium lord
288779 | Zig:16   | Noticed Murakamn the pandemonium lord
288780 | Zig:16   | Noticed Kupoklio the pandemonium lord
288780 | Zig:16   | Noticed Fopaub the pandemonium lord
288781 | Zig:16   | Killed Plog the pandemonium lord
288781 | Zig:16   | Noticed Igroppex the pandemonium lord
288781 | Zig:16   | Killed Kouski Jokh the pandemonium lord
288782 | Zig:16   | Killed Okym the pandemonium lord
288782 | Zig:16   | Killed Puis the pandemonium lord
288782 | Zig:16   | Killed Obrer the pandemonium lord
288782 | Zig:16   | Noticed Xopawnit the pandemonium lord
288783 | Zig:16   | Killed Mutisua the pandemonium lord
288783 | Zig:16   | Killed Igroppex the pandemonium lord
288784 | Zig:16   | Killed Fopaub the pandemonium lord
288784 | Zig:16   | Noticed Ziothracsy the pandemonium lord
288785 | Zig:16   | Noticed Nife the pandemonium lord
288785 | Zig:16   | Noticed Xuebezao the pandemonium lord
288786 | Zig:16   | Killed Kupoklio the pandemonium lord
288786 | Zig:16   | Killed Murakamn the pandemonium lord
288786 | Zig:16   | Killed Xopawnit the pandemonium lord
288787 | Zig:16   | Noticed Gyheloonn the pandemonium lord
288788 | Zig:16   | Killed Bapat the pandemonium lord
288790 | Zig:16   | Killed Ziothracsy the pandemonium lord
288790 | Zig:16   | Killed Nife the pandemonium lord
288790 | Zig:16   | Killed Xuebezao the pandemonium lord
288794 | Zig:16   | Killed Gyheloonn the pandemonium lord
289113 | Zig:16   | Identified the +8 falchion of Guilt {flame, *Rage rC+
                  | Str+4}
289115 | Zig:16   | Identified the ring "Vije Edi" {Fly MP+9}
289118 | Zig:16   | Identified the staff of conjuration "Tocsatze" {rF+ MP-9
                  | Dex+7}
289135 | Zig:16   | Identified the ring of Tender Moments {Fly rF+ Str+6 Int+3}
289141 | Zig:16   | Identified the staff of cold "Cawipoer" {rC+ Will+}
289148 | Zig:16   | Identified the staff of cold "Tudirhyum" {rElec rF- rC+
                  | rCorr Stlth+}
289149 | Zig:16   | Identified the +1 falchion "Waibila" {speed, Drain Will+++
                  | Int+5}
289150 | Zig:16   | Identified the staff of conjuration "Dititeodd" {Fly}
289151 | Zig:16   | Identified the +6 dagger "Cynen" {spect, Int+3}
289219 | Zig:17   | Entered Level 17 of a ziggurat
289251 | Zig:17   | Identified the +0 hand axe "Baazisyr" {heavy, Fragile rF+
                  | rCorr Int+8 Dex-2}
289411 | Zig:17   | Identified the staff of air "Zossucze" {rElec rF+ rN+
                  | rCorr}
289417 | Zig:17   | Identified the amulet "Obaaxtypp" {Faith -Tele Fly rF+
                  | Dex+7}
289424 | Zig:17   | Identified the ring "Xolintut" {rPois rC+ Int+2 Dex+2}
289430 | Zig:17   | Identified the ring of Rovearos {Int+6 Stlth+}
289431 | Zig:17   | Identified the staff of earth "Juolob" {rPois Str+2 Int-2
                  | Stlth+}
289447 | Zig:17   | Identified the staff of cold "Fasoguti" {rElec rC+ Will+}
289449 | Zig:17   | Identified the amulet of Vagacue {Faith Rampage rC+ Dex+2}
289462 | Zig:17   | Identified the staff of earth "Wiakkajea" {Contam Str+6
                  | Int+3}
289464 | Zig:17   | Identified the +5 steam dragon scales of Lies {Fly}
289469 | Zig:17   | Identified the +6 hand axe of the Gnashing Stork {drain,
                  | rF+ Int+3}
289791 | Zig:17   | Identified the staff of death "Awuxky" {Fly rN+ Dex+4}
289798 | Zig:18   | Entered Level 18 of a ziggurat
289798 | Zig:18   | Noticed an ancient lich
289798 | Zig:18   | Noticed an ancient lich
289798 | Zig:18   | Noticed an ancient lich
289798 | Zig:18   | Noticed a dread lich
289798 | Zig:18   | Noticed an ancient lich
289798 | Zig:18   | Noticed a dread lich
289798 | Zig:18   | Noticed a dread lich
289798 | Zig:18   | Noticed an ancient lich
289798 | Zig:18   | Noticed an ancient lich
289798 | Zig:18   | Noticed an ancient lich
289798 | Zig:18   | Noticed a dread lich
289798 | Zig:18   | Noticed an ancient lich
289798 | Zig:18   | Noticed an ancient lich
289799 | Zig:18   | Killed a dread lich
289799 | Zig:18   | Killed an ancient lich
289799 | Zig:18   | Killed an ancient lich
289799 | Zig:18   | Killed a dread lich
289799 | Zig:18   | Killed an ancient lich
289799 | Zig:18   | Killed an ancient lich
289799 | Zig:18   | Killed an ancient lich
289799 | Zig:18   | Killed a dread lich
289801 | Zig:18   | Noticed a dread lich
289801 | Zig:18   | Noticed a dread lich
289801 | Zig:18   | Noticed an ancient lich
289801 | Zig:18   | Noticed an ancient lich
289801 | Zig:18   | Killed an ancient lich
289801 | Zig:18   | Noticed an ancient lich
289802 | Zig:18   | Noticed an ancient lich
289802 | Zig:18   | Noticed a dread lich
289802 | Zig:18   | Noticed an ancient lich
289802 | Zig:18   | Noticed a dread lich
289802 | Zig:18   | Killed a dread lich
289803 | Zig:18   | Noticed an ancient lich
289803 | Zig:18   | Noticed an ancient lich
289803 | Zig:18   | Noticed an ancient lich
289803 | Zig:18   | Killed an ancient lich
289803 | Zig:18   | Noticed an ancient lich
289804 | Zig:18   | Noticed an ancient lich
289804 | Zig:18   | Noticed an ancient lich
289804 | Zig:18   | Noticed an ancient lich
289804 | Zig:18   | Noticed a dread lich
289804 | Zig:18   | Noticed an ancient lich
289804 | Zig:18   | Noticed a dread lich
289804 | Zig:18   | Killed an ancient lich
289805 | Zig:18   | Killed a dread lich
289805 | Zig:18   | Killed an ancient lich
289805 | Zig:18   | Killed an ancient lich
289805 | Zig:18   | Killed an ancient lich
289805 | Zig:18   | Killed a dread lich
289805 | Zig:18   | Killed an ancient lich
289805 | Zig:18   | Killed an ancient lich
289805 | Zig:18   | Killed a dread lich
289805 | Zig:18   | Killed an ancient lich
289805 | Zig:18   | Killed an ancient lich
289806 | Zig:18   | Killed a dread lich
289806 | Zig:18   | Killed a dread lich
289806 | Zig:18   | Killed a dread lich
289806 | Zig:18   | Killed an ancient lich
289806 | Zig:18   | Killed an ancient lich
289807 | Zig:18   | Noticed a dread lich
289807 | Zig:18   | Noticed an ancient lich
289807 | Zig:18   | Noticed an ancient lich
289807 | Zig:18   | Killed an ancient lich
289807 | Zig:18   | Killed an ancient lich
289807 | Zig:18   | Noticed an ancient lich
289808 | Zig:18   | Noticed a dread lich
289808 | Zig:18   | Noticed an ancient lich
289808 | Zig:18   | Noticed an ancient lich
289809 | Zig:18   | Noticed an ancient lich
289809 | Zig:18   | Noticed an ancient lich
289810 | Zig:18   | Noticed a dread lich
289810 | Zig:18   | Killed an ancient lich
289810 | Zig:18   | Killed an ancient lich
289810 | Zig:18   | Killed an ancient lich
289810 | Zig:18   | Killed a dread lich
289810 | Zig:18   | Killed a dread lich
289810 | Zig:18   | Killed an ancient lich
289810 | Zig:18   | Killed an ancient lich
289811 | Zig:18   | Noticed an ancient lich
289811 | Zig:18   | Found the +2 ratskin cloak {*Rats rPois rN+ Str-1 Int-1
                  | Dex+1}
289812 | Zig:18   | Noticed a dread lich
289812 | Zig:18   | Noticed an ancient lich
289812 | Zig:18   | Noticed an ancient lich
289812 | Zig:18   | Killed an ancient lich
289812 | Zig:18   | Killed an ancient lich
289812 | Zig:18   | Killed an ancient lich
289812 | Zig:18   | Killed a dread lich
289812 | Zig:18   | Killed an ancient lich
289812 | Zig:18   | Killed an ancient lich
289812 | Zig:18   | Killed an ancient lich
289812 | Zig:18   | Noticed an ancient lich
289814 | Zig:18   | Noticed a dread lich
289815 | Zig:18   | Noticed an ancient lich
289815 | Zig:18   | Killed an ancient lich
289815 | Zig:18   | Killed a dread lich
289815 | Zig:18   | Killed an ancient lich
289815 | Zig:18   | Killed a dread lich
289816 | Zig:18   | Noticed a dread lich
289817 | Zig:18   | Killed an ancient lich
289819 | Zig:18   | Noticed an ancient lich
289819 | Zig:18   | Killed an ancient lich
289821 | Zig:18   | Killed a dread lich
289822 | Zig:18   | Killed an ancient lich
289825 | Zig:18   | Identified the ring "Ikkyc" {Fly Str+6}
290234 | Zig:18   | Identified the +3 glaive of the Bouncing Stars {speed, rN+
                  | Str+6}
290235 | Zig:18   | Identified the ring of Ompuw {rElec rPois rF+ Int-4}
290249 | Zig:18   | Identified the orb "Byhoufa" {light, rPois rC+ Will+ Str-3}
290276 | Zig:18   | Identified the +3 pair of boots of Wonderful Happiness
                  | {Str+3}
290317 | Zig:18   | Identified the staff of conjuration "Sager" {Will- Str+2
                  | Dex+3}
290337 | Zig:18   | Identified the +2 robe of Follow the Leader {rN+ Will+}
290342 | Zig:18   | Identified the +2 sling "Muadan" {elec, Str+6 Int-2}
290370 | Zig:19   | Entered Level 19 of a ziggurat
290370 | Zig:19   | Noticed a dread lich
290370 | Zig:19   | Noticed a dread lich
290370 | Zig:19   | Noticed an ancient lich
290370 | Zig:19   | Noticed an ancient lich
290370 | Zig:19   | Noticed a dread lich
290370 | Zig:19   | Noticed an ancient lich
290370 | Zig:19   | Noticed an ancient lich
290370 | Zig:19   | Noticed an ancient lich
290370 | Zig:19   | Noticed a dread lich
290370 | Zig:19   | Noticed an ancient lich
290371 | Zig:19   | Killed a dread lich
290371 | Zig:19   | Killed an ancient lich
290371 | Zig:19   | Killed a dread lich
290371 | Zig:19   | Killed an ancient lich
290371 | Zig:19   | Killed an ancient lich
290371 | Zig:19   | Killed an ancient lich
290372 | Zig:19   | Killed an ancient lich
290372 | Zig:19   | Killed an ancient lich
290372 | Zig:19   | Killed a dread lich
290372 | Zig:19   | Noticed an ancient lich
290372 | Zig:19   | Noticed an ancient lich
290374 | Zig:19   | Noticed a dread lich
290374 | Zig:19   | Noticed a dread lich
290375 | Zig:19   | Noticed an ancient lich
290375 | Zig:19   | Noticed an ancient lich
290375 | Zig:19   | Noticed a dread lich
290376 | Zig:19   | Noticed a dread lich
290378 | Zig:19   | Killed an ancient lich
290378 | Zig:19   | Killed a dread lich
290378 | Zig:19   | Killed a dread lich
290378 | Zig:19   | Killed a dread lich
290378 | Zig:19   | Killed an ancient lich
290378 | Zig:19   | Killed an ancient lich
290378 | Zig:19   | Killed a dread lich
290378 | Zig:19   | Killed an ancient lich
290379 | Zig:19   | Killed a dread lich
290380 | Zig:19   | Noticed a dread lich
290380 | Zig:19   | Noticed an ancient lich
290380 | Zig:19   | Noticed an ancient lich
290381 | Zig:19   | Noticed a dread lich
290381 | Zig:19   | Noticed a dread lich
290381 | Zig:19   | Noticed a dread lich
290381 | Zig:19   | Noticed a dread lich
290382 | Zig:19   | Noticed an ancient lich
290382 | Zig:19   | Noticed an ancient lich
290382 | Zig:19   | Noticed an ancient lich
290382 | Zig:19   | Noticed a dread lich
290382 | Zig:19   | Noticed a dread lich
290384 | Zig:19   | Killed a dread lich
290384 | Zig:19   | Killed an ancient lich
290384 | Zig:19   | Killed a dread lich
290384 | Zig:19   | Killed a dread lich
290384 | Zig:19   | Killed a dread lich
290384 | Zig:19   | Killed an ancient lich
290384 | Zig:19   | Killed a dread lich
290385 | Zig:19   | Killed an ancient lich
290385 | Zig:19   | Killed an ancient lich
290385 | Zig:19   | Killed a dread lich
290385 | Zig:19   | Killed a dread lich
290385 | Zig:19   | Killed an ancient lich
290387 | Zig:19   | Noticed a dread lich
290389 | Zig:19   | Noticed an ancient lich
290390 | Zig:19   | Noticed a dread lich
290390 | Zig:19   | Noticed a dread lich
290391 | Zig:19   | Killed a dread lich
290392 | Zig:19   | Killed an ancient lich
290392 | Zig:19   | Killed a dread lich
290397 | Zig:19   | Killed a dread lich
290552 | Zig:19   | Identified the +6 dagger of Chance {venom, SInv}
290553 | Zig:19   | Identified the staff of earth "Bedi" {rN+}
290555 | Zig:19   | Identified the +2 spear "Ridur" {flame, Will+}
290562 | Zig:19   | Identified the +7 short sword of the Destroying Puffin
                  | {spect, Int+4 Stlth+}
290566 | Zig:19   | Identified the +8 spear "Iqijere" {elec, *Corrode +Blink
                  | rElec MP-9}
290567 | Zig:19   | Identified the ring of Kerghisch {Fire Str+5}
290575 | Zig:19   | Identified the +4 chain mail of Amorality {Drain +Blink
                  | rCorr Slay+6}
290576 | Zig:19   | Identified the amulet of Dissent {RegenMP Str+5}
290577 | Zig:19   | Identified the ring of Xibamalu {rF+ Str+3}
290579 | Zig:19   | Identified the +8 long sword "Xuosied" {freeze, rElec
                  | Will++}
290585 | Zig:19   | Identified the +1 battleaxe "Nelelakk" {venom, rN+ Stlth+}
290587 | Zig:19   | Identified the staff of conjuration "Erghodgh" {SInv}
290589 | Zig:19   | Identified the staff of air "Suefuk" {rElec rPois rF+}
290605 | Zig:19   | Identified the +5 glaive "Afiyju" {heavy, Will- Str+6
                  | Dex+3}
290614 | Zig:19   | Identified the +8 war axe of the Hidden Ziggurats {drain,
                  | rElec rN+ Str-5 Dex+3}
290623 | Zig:19   | Identified the +1 glaive of Armageddon {elec, rElec rN+++
                  | Str+3 Int-2}
290969 | Zig:19   | Identified the staff of earth "Casmeil" {MP+9}
290974 | Zig:19   | Identified the +1 long sword of Absolution {flame, rElec
                  | rC- Str+2 Int+3}
290987 | Zig:20   | Entered Level 20 of a ziggurat
291025 | Zig:20   | Identified the staff of poison "Vynnunydap" {Contam rElec
                  | rPois rN+}
291506 | Zig:20   | Identified the +4 long sword "Giboocw" {pain, rF+++ rN+++
                  | Int-3 Dex-4}
291516 | Zig:20   | Identified the +5 dagger of Drought {heavy, Str+2}
291526 | Zig:20   | Identified the +5 falchion of the Eternal Void {flame,
                  | rPois MP+9}
291544 | Zig:20   | Identified the staff of earth "Cianuoz" {*Corrode rElec
                  | rPois}
291618 | Zig:20   | Identified the +3 mace of the Extremes {antimagic, rN++}
291624 | Zig:20   | Identified the +8 shortbow "Sibuof" {flame, rF+}
291640 | Zig:20   | Identified the staff of earth "Zumi Xoy" {Fly rF- Stlth+}
291642 | Zig:20   | Identified the staff of death "Wenuirho" {rF+ rN+ Int+3
                  | Dex-2}
291643 | Zig:20   | Identified the +9 war axe of Dyet {freeze, +Blink rElec rF-
                  | Will++}
291652 | Zig:20   | Identified the +5 scale mail of Skepticism {rPois}
291653 | Zig:20   | Identified the +0 troll leather armour of Free Will {Regen+
                  | Str+3}
291682 | Zig:21   | Entered Level 21 of a ziggurat
291850 | Zig:21   | Identified the +0 robe of the Present {*Slow Str+7 Slay-3}
291909 | Zig:21   | Identified the staff of poison "Mousazibb" {rPois Will+
                  | MP+9 Str-5 SInv}
292349 | Zig:22   | Entered Level 22 of a ziggurat
292351 | Zig:22   | Noticed an ancient lich
292354 | Zig:22   | Killed an ancient lich
292365 | Zig:22   | Noticed an ancient lich
292372 | Zig:22   | Killed an ancient lich
292919 | Zig:22   | Identified the +1 flail "Woapt" {speed, rC+ Dex+3}
292921 | Zig:22   | Identified the ring of the Haunted God {rElec Str+5 Dex+6}
292931 | Zig:22   | Identified the +5 battleaxe "Leaqoije" {heavy, Int+3}
292933 | Zig:22   | Identified the +3 shortbow of Uppapiss {flame, rPois
                  | Will+++ Str-2 SInv}
292939 | Zig:22   | Identified the +3 leather armour "Xafom" {rF+ rN+}
293031 | Zig:23   | Entered Level 23 of a ziggurat
293031 | Zig:23   | Noticed an ancient lich
293031 | Zig:23   | Noticed an ancient lich
293031 | Zig:23   | Noticed a dread lich
293031 | Zig:23   | Noticed a dread lich
293031 | Zig:23   | Noticed an ancient lich
293031 | Zig:23   | Noticed a dread lich
293031 | Zig:23   | Noticed a dread lich
293031 | Zig:23   | Noticed an ancient lich
293032 | Zig:23   | Killed an ancient lich
293032 | Zig:23   | Killed a dread lich
293032 | Zig:23   | Killed an ancient lich
293032 | Zig:23   | Killed a dread lich
293032 | Zig:23   | Killed a dread lich
293033 | Zig:23   | Killed an ancient lich
293033 | Zig:23   | Killed a dread lich
293033 | Zig:23   | Killed an ancient lich
293033 | Zig:23   | Noticed a dread lich
293033 | Zig:23   | Noticed a dread lich
293034 | Zig:23   | Noticed a dread lich
293035 | Zig:23   | Noticed a dread lich
293036 | Zig:23   | Noticed an ancient lich
293036 | Zig:23   | Noticed an ancient lich
293037 | Zig:23   | Noticed an ancient lich
293037 | Zig:23   | Noticed a dread lich
293038 | Zig:23   | Noticed a dread lich
293038 | Zig:23   | Noticed a dread lich
293038 | Zig:23   | Noticed an ancient lich
293039 | Zig:23   | Killed an ancient lich
293039 | Zig:23   | Killed an ancient lich
293039 | Zig:23   | Noticed a dread lich
293039 | Zig:23   | Noticed a dread lich
293039 | Zig:23   | Noticed an ancient lich
293040 | Zig:23   | Noticed an ancient lich
293040 | Zig:23   | Killed a dread lich
293040 | Zig:23   | Killed a dread lich
293040 | Zig:23   | Killed a dread lich
293040 | Zig:23   | Killed a dread lich
293040 | Zig:23   | Killed an ancient lich
293041 | Zig:23   | Noticed a dread lich
293041 | Zig:23   | Noticed an ancient lich
293042 | Zig:23   | Noticed an ancient lich
293042 | Zig:23   | Noticed a dread lich
293042 | Zig:23   | Noticed a dread lich
293042 | Zig:23   | Killed a dread lich
293043 | Zig:23   | Noticed an ancient lich
293043 | Zig:23   | Noticed an ancient lich
293046 | Zig:23   | Killed an ancient lich
293046 | Zig:23   | Killed a dread lich
293046 | Zig:23   | Killed a dread lich
293047 | Zig:23   | Noticed an ancient lich
293047 | Zig:23   | Noticed an ancient lich
293047 | Zig:23   | Noticed an ancient lich
293048 | Zig:23   | Noticed an ancient lich
293049 | Zig:23   | Killed an ancient lich
293049 | Zig:23   | Killed a dread lich
293049 | Zig:23   | Killed an ancient lich
293049 | Zig:23   | Killed an ancient lich
293049 | Zig:23   | Killed an ancient lich
293049 | Zig:23   | Killed an ancient lich
293049 | Zig:23   | Killed a dread lich
293049 | Zig:23   | Killed an ancient lich
293049 | Zig:23   | Killed an ancient lich
293049 | Zig:23   | Killed a dread lich
293049 | Zig:23   | Noticed an ancient lich
293050 | Zig:23   | Killed an ancient lich
293050 | Zig:23   | Killed an ancient lich
293050 | Zig:23   | Killed a dread lich
293050 | Zig:23   | Killed a dread lich
293050 | Zig:23   | Killed an ancient lich
293050 | Zig:23   | Killed an ancient lich
293052 | Zig:23   | Noticed an ancient lich
293054 | Zig:23   | Noticed an ancient lich
293059 | Zig:23   | Noticed an ancient lich
293059 | Zig:23   | Killed an ancient lich
293059 | Zig:23   | Killed an ancient lich
293061 | Zig:23   | Killed an ancient lich
293064 | Zig:23   | Identified the staff of air "Bex Leopt" {rElec MP+9}
293220 | Zig:23   | Identified the ring "Tiudes" {rPois rF+ MP+9 EV+5}
293236 | Zig:23   | Identified the +2 robe of the Moon Troll {rN+}
293238 | Zig:23   | Identified the +0 robe "Igrov" {rC+ Regen+}
293239 | Zig:23   | Identified the +10 trident "Lequsoe" {freeze, Dex+4}
293240 | Zig:23   | Identified the +0 troll leather armour "Raced" {Harm rC-
                  | Regen+ Slay+5}
293243 | Zig:23   | Identified the ring "Cudabric" {Wiz Int+4 Slay+2 Stlth-}
293277 | Zig:23   | Identified the staff of air "Gutiolock" {rElec Will+ MP-9
                  | Int-2 Dex+7}
293294 | Zig:23   | Identified the staff of air "Kunnup" {*Corrode rElec rF+
                  | SInv}
293306 | Zig:23   | Identified the +1 triple sword of Kikhliw {flame, rF+}
293308 | Zig:23   | Identified the +8 falchion of the Shrinking Shark {pain,
                  | rF+ MP+9}
293353 | Zig:23   | Identified the +7 hand axe "Orb Guardian's Doom" {flame,
                  | rElec rF+}
293397 | Zig:23   | Identified the +0 robe of Iska {-Cast rElec Dex+3}
293759 | Zig:24   | Entered Level 24 of a ziggurat
294279 | Zig:24   | Identified the +7 broad axe of the Final Decision {freeze,
                  | rN+ Str+3 Stlth+}
294302 | Zig:24   | Identified the staff of fire "Udaaxuugh" {rF+ Int+5 Dex+2
                  | SInv}
294307 | Zig:24   | Identified the +5 chain mail "Goast" {Dex+2}
294309 | Zig:24   | Identified the ring "Keliace" {Wiz rC+ Dex+4}
294348 | Zig:24   | Identified the +0 hat of Gozag, Twisting {rC- Str+9}
294354 | Zig:24   | Identified the +8 short sword "Kuder" {spect, rN+}
294359 | Zig:24   | Identified the ring "Usyopp" {Contam rElec rPois rCorr
                  | Str+7}
294364 | Zig:24   | Identified the ring of Gutt {MP+9 Int+5 Dex+3}
294366 | Zig:24   | Identified the +4 scale mail of Laoll {Will++}
294447 | Zig:25   | Entered Level 25 of a ziggurat
294490 | Zig:25   | Identified the +7 sling "Yming" {elec, rC+ SInv}
294497 | Zig:25   | Identified the +2 plate armour of Pride {Rampage rN+ Str+2}
294649 | Zig:25   | Identified the +8 morningstar of the Growing Genius {vamp,
                  | Dex+2}
294708 | Zig:25   | Identified the +5 dire flail of Qobiyc {holy, rC+}
294722 | Zig:25   | Identified the ring "Ahuriej" {Fly rC- rN+ Str+5 Dex+3}
294733 | Zig:25   | Identified the ring "Syothrom" {rPois rC- Int+4 Dex+6 SInv}
294737 | Zig:25   | Identified the staff of conjuration "Axtidixte" {*Corrode
                  | rElec rC+ Int+3}
294738 | Zig:25   | Identified the staff of cold "Pilic" {rElec rC+ Str+2
                  | Dex+2}
294739 | Zig:25   | Identified the +2 hat of the Slug {rElec Dex+3}
294744 | Zig:25   | Identified the staff of poison "Tialagoj" {rElec rPois rC-
                  | Str+2 Dex+3}
294745 | Zig:25   | Identified the +0 cloak of Resilience {rC+ Int+3 Slay-3}
294746 | Zig:25   | Identified the +1 leather armour of Rigi {Harm}
294762 | Zig:25   | Identified the +0 chain mail "Fuesese" {rPois}
294767 | Zig:25   | Identified the +10 shortbow "Widowermaker" {drain, rPois
                  | Int-2 Dex+6 SInv}
294771 | Zig:25   | Identified the +5 halberd of Evolution {vamp, rF++ rN+
                  | Dex-2 SInv}
295152 | Zig:25   | Identified the +6 triple sword "Ox" {spect, rElec rF+ rN+++
                  | Dex-2}
295166 | Zig:26   | Entered Level 26 of a ziggurat
295203 | Zig:26   | Identified the +2 rapier of Cheibriados's Respect {freeze,
                  | rC+}
295610 | Zig:26   | Identified the +4 sling of the Ferocious God {drain, Dex+9}
295857 | Zig:26   | Identified the +8 morningstar "Asta" {flame, rF+++ Will+
                  | Int+2 Dex-2}
295858 | Zig:26   | Identified the +8 scimitar of Ashenzari's Generosity {holy,
                  | Str+5}
295904 | Zig:26   | Identified the +8 plate armour of Nuryagank {Contam rN+
                  | Regen+}
295908 | Zig:26   | Identified the staff of death "Omal" {rPois rF+ rC- rN+
                  | Int+3}
295920 | Zig:26   | Identified the +1 quarterstaff of Disorder {drain, rPois
                  | MP+9 Str+7 Stlth-}
295928 | Zig:26   | Identified the +12 long sword "Bifoil" {heavy, Fly Int+2
                  | Stlth+}
295936 | Zig:26   | Identified the staff of death "Reacoux" {rN+ Dex+4}
295945 | Zig:26   | Acquired 335 gold pieces
295984 | Zig:27   | Entered Level 27 of a ziggurat
295984 | Zig:27   | Noticed a dread lich
295985 | Zig:27   | Killed a dread lich
295998 | Zig:27   | Noticed an ancient lich
296001 | Zig:27   | Killed an ancient lich
296667 | Zig:27   | Identified the amulet of Noeske Wola {Faith Fly rC+ Will++
                  | Dex+4}
296668 | Zig:27   | Identified the staff of cold "Lyogat" {rC+ Str+3}
296674 | Zig:27   | Identified the +1 flail "Sarcophage" {flame, Contam rCorr
                  | Int+6 Stlth+}
296677 | Zig:27   | Identified the ring of the Barracuda {rF+ Str+6 Stlth+}
296678 | Zig:27   | Identified the +5 scale mail of Zedeuck {rPois rF- rN+
                  | MP+9}
296680 | Zig:27   | Identified the +0 leather armour "Bann" {rPois Will+ Regen+
                  | Str-4}
296688 | Zig:27   | Identified the +1 plate armour "Kiyc" {rPois rN+}
296691 | Zig:27   | Acquired 381 gold pieces
296693 | Zig:27   | Acquired 1012 gold pieces
296695 | Zig:27   | Identified the staff of air "Ytock" {rElec rF++ Will-
                  | Dex+2}
296696 | Zig:27   | Identified the ring "Mailaeg" {SInv Stlth+}
296699 | Zig:27   | Identified the +0 robe of the Peach {Harm rF+ Will-}
296701 | Zig:27   | Identified the ring "Fiumua Miytu" {rN+ Will+ rCorr Stlth-}
296704 | Zig:27   | Acquired 924 gold pieces
296711 | Zig:27   | Identified the +5 scale mail "Cobbe" {Harm Fly rC-}
296712 | Zig:27   | Identified the staff of death "Lynanu" {rElec rN+ Str+2
                  | Int+2}
296727 | Zig:27   | Identified the +0 robe "Ydyxiyf" {Str+4 Int+3 Dex-2}
296730 | Zig:27   | Identified the +1 chain mail of Contumacious Beauty {rPois
                  | rF+}
296840 | Zig:1    | Entered Level 1 of a ziggurat
296840 | Zig:1    | Noticed a juggernaut
296840 | Zig:1    | Noticed a juggernaut
296840 | Zig:1    | Noticed a juggernaut
296840 | Zig:1    | Noticed a juggernaut
296840 | Zig:1    | Noticed a juggernaut
296841 | Zig:1    | Killed a juggernaut
296841 | Zig:1    | Killed a juggernaut
296841 | Zig:1    | Killed a juggernaut
296849 | Zig:1    | Killed a juggernaut
296852 | Zig:1    | Killed a juggernaut
296946 | Zig:2    | Entered Level 2 of a ziggurat
297089 | Zig:2    | Identified the +7 scale mail of Yppesoh {Harm rN+ Int+4}
297137 | Zig:3    | Entered Level 3 of a ziggurat
297144 | Zig:3    | Identified the ring "Oblesch" {Will- Int+2 Dex+5 Slay+4}
297312 | Zig:4    | Entered Level 4 of a ziggurat
297496 | Zig:4    | Identified the +3 great sword of Discord {venom, rF+ Will+
                  | Str+4 Dex-3}
297543 | Zig:5    | Entered Level 5 of a ziggurat
297543 | Zig:5    | Noticed a juggernaut
297544 | Zig:5    | Noticed a juggernaut
297545 | Zig:5    | Noticed a juggernaut
297546 | Zig:5    | Killed a juggernaut
297547 | Zig:5    | Noticed a juggernaut
297549 | Zig:5    | Killed a juggernaut
297553 | Zig:5    | Killed a juggernaut
297553 | Zig:5    | Killed a juggernaut
297757 | Zig:6    | Entered Level 6 of a ziggurat
297757 | Zig:6    | Noticed a juggernaut
297757 | Zig:6    | Noticed a juggernaut
297757 | Zig:6    | Noticed a juggernaut
297757 | Zig:6    | Noticed a juggernaut
297757 | Zig:6    | Noticed a juggernaut
297757 | Zig:6    | Noticed a juggernaut
297757 | Zig:6    | Noticed a juggernaut
297757 | Zig:6    | Noticed a juggernaut
297757 | Zig:6    | Noticed a juggernaut
297757 | Zig:6    | Noticed a juggernaut
297757 | Zig:6    | Noticed a juggernaut
297757 | Zig:6    | Noticed a juggernaut
297757 | Zig:6    | Noticed a juggernaut
297757 | Zig:6    | Noticed a juggernaut
297757 | Zig:6    | Noticed a juggernaut
297757 | Zig:6    | Noticed a juggernaut
297757 | Zig:6    | Noticed a juggernaut
297758 | Zig:6    | Noticed a juggernaut
297759 | Zig:6    | Killed a juggernaut
297759 | Zig:6    | Killed a juggernaut
297759 | Zig:6    | Killed a juggernaut
297759 | Zig:6    | Killed a juggernaut
297759 | Zig:6    | Killed a juggernaut
297759 | Zig:6    | Killed a juggernaut
297759 | Zig:6    | Killed a juggernaut
297759 | Zig:6    | Killed a juggernaut
297759 | Zig:6    | Killed a juggernaut
297759 | Zig:6    | Killed a juggernaut
297759 | Zig:6    | Killed a juggernaut
297759 | Zig:6    | Killed a juggernaut
297759 | Zig:6    | Noticed a juggernaut
297760 | Zig:6    | Killed a juggernaut
297761 | Zig:6    | Killed a juggernaut
297761 | Zig:6    | Killed a juggernaut
297761 | Zig:6    | Killed a juggernaut
297761 | Zig:6    | Killed a juggernaut
297761 | Zig:6    | Noticed a juggernaut
297762 | Zig:6    | Noticed a juggernaut
297762 | Zig:6    | Killed a juggernaut
297763 | Zig:6    | Killed a juggernaut
297764 | Zig:6    | Killed a juggernaut
297765 | Zig:6    | Killed a juggernaut
297766 | Zig:6    | Noticed a juggernaut
297769 | Zig:6    | Killed a juggernaut
298198 | Zig:7    | Entered Level 7 of a ziggurat
298198 | Zig:7    | Noticed an ancient lich
298198 | Zig:7    | Noticed an ancient lich
298198 | Zig:7    | Noticed a dread lich
298198 | Zig:7    | Noticed an ancient lich
298198 | Zig:7    | Noticed a dread lich
298198 | Zig:7    | Noticed an ancient lich
298198 | Zig:7    | Noticed an ancient lich
298198 | Zig:7    | Noticed an ancient lich
298198 | Zig:7    | Noticed an ancient lich
298198 | Zig:7    | Noticed an ancient lich
298198 | Zig:7    | Noticed a dread lich
298198 | Zig:7    | Noticed a dread lich
298198 | Zig:7    | Noticed an ancient lich
298198 | Zig:7    | Noticed an ancient lich
298198 | Zig:7    | Noticed a dread lich
298198 | Zig:7    | Noticed a dread lich
298198 | Zig:7    | Noticed a dread lich
298198 | Zig:7    | Noticed a dread lich
298198 | Zig:7    | Noticed a dread lich
298198 | Zig:7    | Noticed an ancient lich
298198 | Zig:7    | Noticed an ancient lich
298198 | Zig:7    | Noticed a dread lich
298198 | Zig:7    | Noticed an ancient lich
298199 | Zig:7    | Killed an ancient lich
298199 | Zig:7    | Killed a dread lich
298199 | Zig:7    | Killed an ancient lich
298199 | Zig:7    | Killed an ancient lich
298199 | Zig:7    | Killed a dread lich
298199 | Zig:7    | Killed an ancient lich
298199 | Zig:7    | Killed a dread lich
298199 | Zig:7    | Killed an ancient lich
298199 | Zig:7    | Killed an ancient lich
298199 | Zig:7    | Killed an ancient lich
298199 | Zig:7    | Killed an ancient lich
298199 | Zig:7    | Killed a dread lich
298199 | Zig:7    | Killed a dread lich
298199 | Zig:7    | Killed a dread lich
298199 | Zig:7    | Killed an ancient lich
298199 | Zig:7    | Noticed an ancient lich
298200 | Zig:7    | Noticed a dread lich
298201 | Zig:7    | Noticed an ancient lich
298201 | Zig:7    | Noticed a dread lich
298201 | Zig:7    | Killed an ancient lich
298201 | Zig:7    | Noticed an ancient lich
298202 | Zig:7    | Noticed an ancient lich
298202 | Zig:7    | Killed an ancient lich
298202 | Zig:7    | Killed a dread lich
298202 | Zig:7    | Killed an ancient lich
298202 | Zig:7    | Killed a dread lich
298202 | Zig:7    | Noticed a dread lich
298203 | Zig:7    | Noticed an ancient lich
298203 | Zig:7    | Noticed an ancient lich
298203 | Zig:7    | Noticed a dread lich
298203 | Zig:7    | Killed a dread lich
298203 | Zig:7    | Killed a dread lich
298203 | Zig:7    | Noticed a dread lich
298204 | Zig:7    | Noticed an ancient lich
298204 | Zig:7    | Killed an ancient lich
298205 | Zig:7    | Killed an ancient lich
298205 | Zig:7    | Killed an ancient lich
298205 | Zig:7    | Killed an ancient lich
298208 | Zig:7    | Killed an ancient lich
298208 | Zig:7    | Killed a dread lich
298208 | Zig:7    | Killed a dread lich
298208 | Zig:7    | Killed a dread lich
298208 | Zig:7    | Killed a dread lich
298208 | Zig:7    | Killed an ancient lich
298208 | Zig:7    | Killed an ancient lich
298208 | Zig:7    | Killed an ancient lich
298208 | Zig:7    | Killed a dread lich
298358 | Zig:7    | Identified the +5 falchion "Reaw" {flame, rN+}
298361 | Zig:7    | Identified the staff of cold "Yqady" {rC+ Dex+3}
298363 | Zig:7    | Identified the +6 dagger "Ronifib" {drain, *Slow rElec
                  | Int+4 SInv}
298370 | Zig:7    | Identified the +3 pearl dragon scales of Lust {Fly rN+}
298373 | Zig:7    | Identified the +3 leather armour "Vumutavin" {rPois}
298553 | Zig:7    | Identified the amulet "Godghyoli" {Faith Rampage rF+ Will+}
298566 | Zig:8    | Entered Level 8 of a ziggurat
298586 | Zig:8    | Identified the ring "Aliced" {+Blink Will+ MP+9 Int-2}
298936 | Zig:8    | Identified the +4 spear "Ubroamakk" {heavy, Str+3 Dex+2}
298947 | Zig:8    | Identified the +2 robe of Kusef {Dex+2}
298954 | Zig:8    | Identified the staff of death "Kyevesue" {rN+ rCorr Str+8
                  | Dex-3}
298969 | Zig:8    | Identified the staff of air "Eraluy" {Fragile rElec rF+++
                  | rCorr Stlth+}
298987 | Zig:9    | Entered Level 9 of a ziggurat
298987 | Zig:9    | Noticed a dread lich
298987 | Zig:9    | Noticed an ancient lich
298987 | Zig:9    | Noticed an ancient lich
298989 | Zig:9    | Killed a dread lich
298989 | Zig:9    | Killed an ancient lich
298989 | Zig:9    | Killed an ancient lich
298990 | Zig:9    | Noticed an ancient lich
298990 | Zig:9    | Noticed a dread lich
298990 | Zig:9    | Noticed a dread lich
298991 | Zig:9    | Killed a dread lich
298991 | Zig:9    | Noticed a dread lich
298992 | Zig:9    | Noticed a dread lich
298992 | Zig:9    | Noticed an ancient lich
298992 | Zig:9    | Noticed a dread lich
298995 | Zig:9    | Noticed an ancient lich
298995 | Zig:9    | Noticed an ancient lich
298995 | Zig:9    | Noticed a dread lich
298995 | Zig:9    | Noticed a dread lich
298995 | Zig:9    | Noticed an ancient lich
298995 | Zig:9    | Noticed an ancient lich
298998 | Zig:9    | Killed a dread lich
298998 | Zig:9    | Killed a dread lich
298998 | Zig:9    | Killed a dread lich
298998 | Zig:9    | Killed a dread lich
298998 | Zig:9    | Killed a dread lich
298998 | Zig:9    | Killed an ancient lich
298999 | Zig:9    | Killed a dread lich
298999 | Zig:9    | Killed an ancient lich
298999 | Zig:9    | Killed an ancient lich
298999 | Zig:9    | Killed an ancient lich
298999 | Zig:9    | Killed an ancient lich
298999 | Zig:9    | Killed an ancient lich
298999 | Zig:9    | Noticed a dread lich
299000 | Zig:9    | Noticed a dread lich
299000 | Zig:9    | Noticed a dread lich
299004 | Zig:9    | Killed a dread lich
299005 | Zig:9    | Killed a dread lich
299005 | Zig:9    | Killed a dread lich
299203 | Zig:9    | Identified the staff of earth "Upubbimo" {rPois Dex+3}
299213 | Zig:9    | Identified the staff of fire "Soadd" {rPois rF+ rC+ Will+
                  | Int+2}
299486 | Zig:10   | Entered Level 10 of a ziggurat
299681 | Zig:10   | Identified the +3 plate armour "Wyraet" {Str+2 Dex+3}
299721 | Zig:10   | Identified the +1 war axe of the Piercing Stork {flame,
                  | rElec rC- Str+2 Dex+6}
299727 | Zig:10   | Identified the +2 quarterstaff of Reapportionment {pain,
                  | Str+2 Int+3}
299735 | Zig:10   | Identified the +1 rapier "Pendulum" {heavy, *Slow rPois
                  | Int+3 Dex+2}
300052 | Zig:11   | Entered Level 11 of a ziggurat
300052 | Zig:11   | Noticed a juggernaut
300052 | Zig:11   | Noticed a juggernaut
300052 | Zig:11   | Noticed a juggernaut
300052 | Zig:11   | Noticed a juggernaut
300052 | Zig:11   | Noticed a juggernaut
300052 | Zig:11   | Noticed a juggernaut
300052 | Zig:11   | Noticed a juggernaut
300052 | Zig:11   | Noticed a juggernaut
300052 | Zig:11   | Noticed a juggernaut
300052 | Zig:11   | Noticed a juggernaut
300053 | Zig:11   | Killed a juggernaut
300053 | Zig:11   | Killed a juggernaut
300053 | Zig:11   | Killed a juggernaut
300053 | Zig:11   | Killed a juggernaut
300053 | Zig:11   | Killed a juggernaut
300053 | Zig:11   | Killed a juggernaut
300053 | Zig:11   | Killed a juggernaut
300053 | Zig:11   | Killed a juggernaut
300053 | Zig:11   | Killed a juggernaut
300056 | Zig:11   | Noticed a juggernaut
300056 | Zig:11   | Noticed a juggernaut
300058 | Zig:11   | Noticed a juggernaut
300058 | Zig:11   | Killed a juggernaut
300059 | Zig:11   | Noticed a juggernaut
300059 | Zig:11   | Noticed a juggernaut
300059 | Zig:11   | Noticed a juggernaut
300060 | Zig:11   | Noticed a juggernaut
300061 | Zig:11   | Killed a juggernaut
300061 | Zig:11   | Killed a juggernaut
300062 | Zig:11   | Killed a juggernaut
300063 | Zig:11   | Noticed a juggernaut
300063 | Zig:11   | Noticed a juggernaut
300063 | Zig:11   | Noticed a juggernaut
300065 | Zig:11   | Killed a juggernaut
300065 | Zig:11   | Killed a juggernaut
300065 | Zig:11   | Killed a juggernaut
300066 | Zig:11   | Noticed a juggernaut
300069 | Zig:11   | Killed a juggernaut
300069 | Zig:11   | Killed a juggernaut
300071 | Zig:11   | Killed a juggernaut
300072 | Zig:11   | Killed a juggernaut
300072 | Zig:11   | Noticed a juggernaut
300074 | Zig:11   | Killed a juggernaut
300077 | Zig:11   | Killed a juggernaut
300186 | Zig:11   | Identified the +8 mace "Widowermaker" {protect, rC+ rN+
                  | MP+9 Int+3}
300205 | Zig:11   | Identified the staff of air "Wosux" {rElec SInv}
300210 | Zig:11   | Identified the +7 rapier "Baskietu" {holy, rF+}
300217 | Zig:11   | Identified the +2 demon blade "Ogreslayer" {vamp, Fly rPois
                  | Will- SInv}
300220 | Zig:11   | Identified the staff of cold "Ovikazac" {rElec rC+}
300222 | Zig:11   | Identified the ring of Ymneun {rN++ Str+6 Int-4}
300686 | Zig:12   | Entered Level 12 of a ziggurat
300686 | Zig:12   | Noticed a juggernaut
300686 | Zig:12   | Noticed a juggernaut
300686 | Zig:12   | Noticed a juggernaut
300686 | Zig:12   | Noticed a juggernaut
300686 | Zig:12   | Noticed a juggernaut
300686 | Zig:12   | Noticed a juggernaut
300686 | Zig:12   | Noticed a juggernaut
300686 | Zig:12   | Noticed a juggernaut
300686 | Zig:12   | Noticed a juggernaut
300687 | Zig:12   | Noticed a juggernaut
300687 | Zig:12   | Noticed a juggernaut
300687 | Zig:12   | Noticed a juggernaut
300688 | Zig:12   | Killed a juggernaut
300688 | Zig:12   | Killed a juggernaut
300688 | Zig:12   | Killed a juggernaut
300688 | Zig:12   | Killed a juggernaut
300688 | Zig:12   | Killed a juggernaut
300688 | Zig:12   | Killed a juggernaut
300690 | Zig:12   | Noticed a juggernaut
300690 | Zig:12   | Noticed a juggernaut
300691 | Zig:12   | Noticed a juggernaut
300691 | Zig:12   | Killed a juggernaut
300691 | Zig:12   | Killed a juggernaut
300691 | Zig:12   | Killed a juggernaut
300691 | Zig:12   | Killed a juggernaut
300691 | Zig:12   | Killed a juggernaut
300691 | Zig:12   | Killed a juggernaut
300691 | Zig:12   | Killed a juggernaut
300691 | Zig:12   | Killed a juggernaut
300691 | Zig:12   | Noticed a juggernaut
300692 | Zig:12   | Noticed a juggernaut
300692 | Zig:12   | Noticed a juggernaut
300692 | Zig:12   | Noticed a juggernaut
300692 | Zig:12   | Noticed a juggernaut
300693 | Zig:12   | Noticed a juggernaut
300693 | Zig:12   | Noticed a juggernaut
300693 | Zig:12   | Noticed a juggernaut
300693 | Zig:12   | Noticed a juggernaut
300693 | Zig:12   | Noticed a juggernaut
300693 | Zig:12   | Noticed a juggernaut
300693 | Zig:12   | Noticed a juggernaut
300694 | Zig:12   | Noticed a juggernaut
300694 | Zig:12   | Noticed a juggernaut
300694 | Zig:12   | Killed a juggernaut
300695 | Zig:12   | Killed a juggernaut
300695 | Zig:12   | Killed a juggernaut
300695 | Zig:12   | Killed a juggernaut
300695 | Zig:12   | Killed a juggernaut
300695 | Zig:12   | Killed a juggernaut
300695 | Zig:12   | Killed a juggernaut
300695 | Zig:12   | Killed a juggernaut
300695 | Zig:12   | Killed a juggernaut
300695 | Zig:12   | Killed a juggernaut
300695 | Zig:12   | Killed a juggernaut
300695 | Zig:12   | Killed a juggernaut
300696 | Zig:12   | Killed a juggernaut
300696 | Zig:12   | Killed a juggernaut
300696 | Zig:12   | Noticed a juggernaut
300697 | Zig:12   | Noticed a juggernaut
300697 | Zig:12   | Noticed a juggernaut
300697 | Zig:12   | Noticed a juggernaut
300697 | Zig:12   | Noticed a juggernaut
300697 | Zig:12   | Noticed a juggernaut
300698 | Zig:12   | Noticed a juggernaut
300698 | Zig:12   | Noticed a juggernaut
300699 | Zig:12   | Noticed a juggernaut
300700 | Zig:12   | Killed a juggernaut
300700 | Zig:12   | Killed a juggernaut
300700 | Zig:12   | Noticed a juggernaut
300702 | Zig:12   | Noticed a juggernaut
300705 | Zig:12   | Killed a juggernaut
300705 | Zig:12   | Killed a juggernaut
300705 | Zig:12   | Killed a juggernaut
300705 | Zig:12   | Killed a juggernaut
300705 | Zig:12   | Killed a juggernaut
300705 | Zig:12   | Killed a juggernaut
300705 | Zig:12   | Killed a juggernaut
300707 | Zig:12   | Killed a juggernaut
300707 | Zig:12   | Killed a juggernaut
300707 | Zig:12   | Killed a juggernaut
301168 | Zig:12   | Identified the staff of death "Hevveus" {Fragile rElec rN+
                  | Str+4 Stlth+}
301176 | Zig:12   | Identified the +9 plate armour of Wisdom {rPois rCorr}
301178 | Zig:12   | Identified the +5 scale mail of Instinct {Will- rCorr Str+3
                  | SInv}
301179 | Zig:12   | Identified the +4 quarterstaff of Arphomiuc {freeze, SInv}
301180 | Zig:12   | Identified the +10 mace "Homoo" {flame, rPois rC+}
301189 | Zig:12   | Identified the +7 short sword of Decya {venom, Contam rPois
                  | rF+ Stlth+}
301249 | Zig:13   | Entered Level 13 of a ziggurat
301301 | Zig:13   | Noticed Ojimuret the pandemonium lord
301329 | Zig:13   | Killed Ojimuret the pandemonium lord
301599 | Zig:13   | Identified the ring "Mamuan" {Will+ Str-2 Int+6 Dex+2}
301627 | Zig:13   | Identified the +5 short sword "Ejaibbent" {speed, rElec
                  | Int+2}
301935 | Zig:14   | Entered Level 14 of a ziggurat
301935 | Zig:14   | Noticed Vesaruga the pandemonium lord
301935 | Zig:14   | Noticed Homomoru the pandemonium lord
301935 | Zig:14   | Noticed Howefuta the pandemonium lord
301935 | Zig:14   | Noticed Wimano the pandemonium lord
301935 | Zig:14   | Noticed Ficuorch the pandemonium lord
301935 | Zig:14   | Noticed Pumamall the pandemonium lord
301935 | Zig:14   | Noticed Ruxit the pandemonium lord
301935 | Zig:14   | Noticed Omemac the pandemonium lord
301935 | Zig:14   | Noticed Padyge the pandemonium lord
301935 | Zig:14   | Noticed Washaul the pandemonium lord
301935 | Zig:14   | Noticed Haympet the pandemonium lord
301935 | Zig:14   | Noticed Quucum the pandemonium lord
301935 | Zig:14   | Noticed Xulis the pandemonium lord
301935 | Zig:14   | Noticed Beluikh the pandemonium lord
301935 | Zig:14   | Noticed Wuuck the pandemonium lord
301935 | Zig:14   | Noticed Momekilo the pandemonium lord
301935 | Zig:14   | Noticed Hyptapso the pandemonium lord
301935 | Zig:14   | Noticed Gulits the pandemonium lord
301935 | Zig:14   | Noticed Lathruinu the pandemonium lord
301935 | Zig:14   | Noticed Oramn the pandemonium lord
301937 | Zig:14   | Noticed Icilei the pandemonium lord
301937 | Zig:14   | Noticed Ogipn the pandemonium lord
301937 | Zig:14   | Killed Ruxit the pandemonium lord
301937 | Zig:14   | Killed Beluikh the pandemonium lord
301937 | Zig:14   | Noticed Ygycaawe the pandemonium lord
301938 | Zig:14   | Noticed Buxiodyh the pandemonium lord
301938 | Zig:14   | Noticed Pyps the pandemonium lord
301938 | Zig:14   | Noticed Xusimiug the pandemonium lord
301939 | Zig:14   | Killed Haympet the pandemonium lord
301939 | Zig:14   | Killed Ogipn the pandemonium lord
301939 | Zig:14   | Killed Washaul the pandemonium lord
301939 | Zig:14   | Killed Xulis the pandemonium lord
301939 | Zig:14   | Killed Ficuorch the pandemonium lord
301939 | Zig:14   | Killed Homomoru the pandemonium lord
301939 | Zig:14   | Noticed Bekayruc the pandemonium lord
301940 | Zig:14   | Killed Pumamall the pandemonium lord
301940 | Zig:14   | Killed Howefuta the pandemonium lord
301940 | Zig:14   | Killed Vesaruga the pandemonium lord
301940 | Zig:14   | Killed Icilei the pandemonium lord
301940 | Zig:14   | Noticed Lubrit the pandemonium lord
301940 | Zig:14   | Noticed Rymnarph the pandemonium lord
301940 | Zig:14   | Noticed Utauri Meib the pandemonium lord
301940 | Zig:14   | Noticed Asoe the pandemonium lord
301941 | Zig:14   | Noticed Herayr the pandemonium lord
301942 | Zig:14   | Noticed Zadeubef the pandemonium lord
301942 | Zig:14   | Killed Oramn the pandemonium lord
301942 | Zig:14   | Killed Quucum the pandemonium lord
301942 | Zig:14   | Killed Momekilo the pandemonium lord
301942 | Zig:14   | Killed Padyge the pandemonium lord
301942 | Zig:14   | Killed Wimano the pandemonium lord
301942 | Zig:14   | Killed Bekayruc the pandemonium lord
301942 | Zig:14   | Killed Hyptapso the pandemonium lord
301942 | Zig:14   | Killed Lathruinu the pandemonium lord
301942 | Zig:14   | Noticed Iwkaun the pandemonium lord
301942 | Zig:14   | Noticed Loguop the pandemonium lord
301942 | Zig:14   | Noticed Seno the pandemonium lord
301943 | Zig:14   | Killed Wuuck the pandemonium lord
301943 | Zig:14   | Killed Xusimiug the pandemonium lord
301943 | Zig:14   | Killed Buxiodyh the pandemonium lord
301943 | Zig:14   | Noticed Lisutag the pandemonium lord
301943 | Zig:14   | Noticed Viphaol the pandemonium lord
301944 | Zig:14   | Noticed Weig the pandemonium lord
301944 | Zig:14   | Noticed Codo the pandemonium lord
301944 | Zig:14   | Noticed Qir Mimm the pandemonium lord
301944 | Zig:14   | Noticed Ityutzis the pandemonium lord
301944 | Zig:14   | Killed Pyps the pandemonium lord
301944 | Zig:14   | Killed Omemac the pandemonium lord
301944 | Zig:14   | Killed Gulits the pandemonium lord
301944 | Zig:14   | Killed Lubrit the pandemonium lord
301944 | Zig:14   | Noticed Tiodaluw the pandemonium lord
301944 | Zig:14   | Noticed Keggy the pandemonium lord
301945 | Zig:14   | Killed Weig the pandemonium lord
301945 | Zig:14   | Killed Ityutzis the pandemonium lord
301945 | Zig:14   | Killed Iwkaun the pandemonium lord
301945 | Zig:14   | Killed Herayr the pandemonium lord
301945 | Zig:14   | Killed Codo the pandemonium lord
301945 | Zig:14   | Killed Rymnarph the pandemonium lord
301945 | Zig:14   | Killed Utauri Meib the pandemonium lord
301945 | Zig:14   | Noticed Coquc the pandemonium lord
301945 | Zig:14   | Noticed Yningeto the pandemonium lord
301946 | Zig:14   | Killed Loguop the pandemonium lord
301946 | Zig:14   | Killed Keggy the pandemonium lord
301946 | Zig:14   | Killed Tiodaluw the pandemonium lord
301946 | Zig:14   | Killed Lisutag the pandemonium lord
301946 | Zig:14   | Noticed Tenuno the pandemonium lord
301947 | Zig:14   | Noticed Qudetust the pandemonium lord
301947 | Zig:14   | Noticed Ogruh the pandemonium lord
301947 | Zig:14   | Killed Ygycaawe the pandemonium lord
301948 | Zig:14   | Killed Qir Mimm the pandemonium lord
301948 | Zig:14   | Noticed Xiuf the pandemonium lord
301948 | Zig:14   | Noticed Zeicau the pandemonium lord
301948 | Zig:14   | Noticed Rugilale the pandemonium lord
301949 | Zig:14   | Killed Zadeubef the pandemonium lord
301950 | Zig:14   | Noticed Aqucatte the pandemonium lord
301950 | Zig:14   | Killed Viphaol the pandemonium lord
301951 | Zig:14   | Noticed Hocy the pandemonium lord
301951 | Zig:14   | Noticed Bihefif the pandemonium lord
301951 | Zig:14   | Noticed Cetoral the pandemonium lord
301951 | Zig:14   | Killed Coquc the pandemonium lord
301951 | Zig:14   | Killed Tenuno the pandemonium lord
301951 | Zig:14   | Killed Bihefif the pandemonium lord
301951 | Zig:14   | Noticed Tigaviaz the pandemonium lord
301951 | Zig:14   | Noticed Qamota the pandemonium lord
301952 | Zig:14   | Noticed Sausk the pandemonium lord
301952 | Zig:14   | Noticed Romyce the pandemonium lord
301953 | Zig:14   | Noticed Saqusk the pandemonium lord
301953 | Zig:14   | Noticed Caary the pandemonium lord
301953 | Zig:14   | Noticed Cecraq Uqef the pandemonium lord
301954 | Zig:14   | Noticed Kuliem the pandemonium lord
301954 | Zig:14   | Killed Qudetust the pandemonium lord
301954 | Zig:14   | Killed Seno the pandemonium lord
301954 | Zig:14   | Killed Zeicau the pandemonium lord
301954 | Zig:14   | Noticed Hedghua the pandemonium lord
301954 | Zig:14   | Noticed Mutathrun the pandemonium lord
301955 | Zig:14   | Noticed Seduar the pandemonium lord
301956 | Zig:14   | Noticed Kaeficyu the pandemonium lord
301956 | Zig:14   | Noticed Abohauxt the pandemonium lord
301956 | Zig:14   | Killed Xiuf the pandemonium lord
301956 | Zig:14   | Killed Asoe the pandemonium lord
301956 | Zig:14   | Noticed Dipraseo the pandemonium lord
301956 | Zig:14   | Noticed Poleyca Ihepp the pandemonium lord
301957 | Zig:14   | Killed Hocy the pandemonium lord
301957 | Zig:14   | Killed Rugilale the pandemonium lord
301957 | Zig:14   | Killed Kaeficyu the pandemonium lord
301957 | Zig:14   | Noticed Xoleffic the pandemonium lord
301958 | Zig:14   | Noticed Waifank the pandemonium lord
301958 | Zig:14   | Noticed Detto the pandemonium lord
301958 | Zig:14   | Noticed Qaba Vis the pandemonium lord
301958 | Zig:14   | Noticed Taros the pandemonium lord
301958 | Zig:14   | Killed Kuliem the pandemonium lord
301958 | Zig:14   | Killed Cetoral the pandemonium lord
301958 | Zig:14   | Noticed Ycvun the pandemonium lord
301959 | Zig:14   | Killed Ogruh the pandemonium lord
301959 | Zig:14   | Noticed Wyennyco the pandemonium lord
301959 | Zig:14   | Noticed Votuug the pandemonium lord
301959 | Zig:14   | Noticed Tudgheho the pandemonium lord
301959 | Zig:14   | Noticed Xitwas the pandemonium lord
301959 | Zig:14   | Noticed Luur the pandemonium lord
301959 | Zig:14   | Noticed Gacaapl Ocse the pandemonium lord
301959 | Zig:14   | Noticed Leatz the pandemonium lord
301959 | Zig:14   | Noticed Juimniurph the pandemonium lord
301959 | Zig:14   | Noticed Izugatag the pandemonium lord
301959 | Zig:14   | Noticed Qacupt the pandemonium lord
301959 | Zig:14   | Noticed Pinomum the pandemonium lord
301959 | Zig:14   | Noticed Poteol the pandemonium lord
301960 | Zig:14   | Killed Seduar the pandemonium lord
301960 | Zig:14   | Killed Romyce the pandemonium lord
301960 | Zig:14   | Killed Leatz the pandemonium lord
301960 | Zig:14   | Killed Luur the pandemonium lord
301960 | Zig:14   | Killed Poteol the pandemonium lord
301960 | Zig:14   | Killed Aqucatte the pandemonium lord
301960 | Zig:14   | Killed Taros the pandemonium lord
301960 | Zig:14   | Killed Ycvun the pandemonium lord
301960 | Zig:14   | Noticed Jasidd the pandemonium lord
301960 | Zig:14   | Noticed Fonusm the pandemonium lord
301960 | Zig:14   | Noticed Pirghin the pandemonium lord
301960 | Zig:14   | Noticed Mitouxeo the pandemonium lord
301960 | Zig:14   | Noticed Nonitifi the pandemonium lord
301961 | Zig:14   | Killed Gacaapl Ocse the pandemonium lord
301961 | Zig:14   | Killed Qaba Vis the pandemonium lord
301961 | Zig:14   | Killed Tudgheho the pandemonium lord
301961 | Zig:14   | Killed Jasidd the pandemonium lord
301961 | Zig:14   | Killed Waifank the pandemonium lord
301961 | Zig:14   | Killed Tigaviaz the pandemonium lord
301961 | Zig:14   | Killed Detto the pandemonium lord
301961 | Zig:14   | Noticed Vocegg the pandemonium lord
301961 | Zig:14   | Noticed Joing the pandemonium lord
301961 | Zig:14   | Noticed Okufug the pandemonium lord
301961 | Zig:14   | Noticed Sufaerra the pandemonium lord
301962 | Zig:14   | Killed Caary the pandemonium lord
301962 | Zig:14   | Killed Cecraq Uqef the pandemonium lord
301962 | Zig:14   | Killed Xoleffic the pandemonium lord
301962 | Zig:14   | Killed Yningeto the pandemonium lord
301962 | Zig:14   | Killed Qacupt the pandemonium lord
301962 | Zig:14   | Killed Mutathrun the pandemonium lord
301962 | Zig:14   | Killed Qamota the pandemonium lord
301963 | Zig:14   | Killed Poleyca Ihepp the pandemonium lord
301963 | Zig:14   | Killed Izugatag the pandemonium lord
301963 | Zig:14   | Killed Sausk the pandemonium lord
301963 | Zig:14   | Killed Pinomum the pandemonium lord
301963 | Zig:14   | Killed Dipraseo the pandemonium lord
301963 | Zig:14   | Killed Xitwas the pandemonium lord
301963 | Zig:14   | Noticed Xeuczog the pandemonium lord
301963 | Zig:14   | Noticed Qaqacs the pandemonium lord
301964 | Zig:14   | Noticed Atrog the pandemonium lord
301964 | Zig:14   | Killed Wyennyco the pandemonium lord
301964 | Zig:14   | Killed Votuug the pandemonium lord
301965 | Zig:14   | Noticed Finod the pandemonium lord
301965 | Zig:14   | Noticed Jifuradu the pandemonium lord
301965 | Zig:14   | Killed Pirghin the pandemonium lord
301965 | Zig:14   | Killed Sufaerra the pandemonium lord
301965 | Zig:14   | Killed Joing the pandemonium lord
301965 | Zig:14   | Killed Xeuczog the pandemonium lord
301965 | Zig:14   | Noticed Alellab the pandemonium lord
301966 | Zig:14   | Noticed Lotuutt the pandemonium lord
301966 | Zig:14   | Noticed Codaclagi the pandemonium lord
301966 | Zig:14   | Noticed Toyriew the pandemonium lord
301967 | Zig:14   | Killed Finod the pandemonium lord
301967 | Zig:14   | Killed Fonusm the pandemonium lord
301967 | Zig:14   | Killed Okufug the pandemonium lord
301967 | Zig:14   | Killed Nonitifi the pandemonium lord
301967 | Zig:14   | Killed Qaqacs the pandemonium lord
301967 | Zig:14   | Noticed Isouz the pandemonium lord
301967 | Zig:14   | Noticed Iblaf the pandemonium lord
301968 | Zig:14   | Killed Jifuradu the pandemonium lord
301968 | Zig:14   | Killed Hedghua the pandemonium lord
301968 | Zig:14   | Killed Saqusk the pandemonium lord
301968 | Zig:14   | Noticed Zetu the pandemonium lord
301968 | Zig:14   | Noticed Cylytaus the pandemonium lord
301969 | Zig:14   | Killed Vocegg the pandemonium lord
301969 | Zig:14   | Killed Atrog the pandemonium lord
301969 | Zig:14   | Killed Alellab the pandemonium lord
301969 | Zig:14   | Killed Lotuutt the pandemonium lord
301969 | Zig:14   | Noticed Cezxead the pandemonium lord
301970 | Zig:14   | Killed Iblaf the pandemonium lord
301974 | Zig:14   | Killed Juimniurph the pandemonium lord
301974 | Zig:14   | Killed Isouz the pandemonium lord
301974 | Zig:14   | Killed Toyriew the pandemonium lord
301975 | Zig:14   | Killed Abohauxt the pandemonium lord
301975 | Zig:14   | Noticed Cymiorug the pandemonium lord
301976 | Zig:14   | Killed Zetu the pandemonium lord
301977 | Zig:14   | Noticed Dinkirph the pandemonium lord
301977 | Zig:14   | Noticed Veetyn the pandemonium lord
301977 | Zig:14   | Noticed Yseskaloi the pandemonium lord
301977 | Zig:14   | Noticed Azxeg the pandemonium lord
301978 | Zig:14   | Killed Cylytaus the pandemonium lord
301979 | Zig:14   | Killed Codaclagi the pandemonium lord
301979 | Zig:14   | Killed Cezxead the pandemonium lord
301979 | Zig:14   | Killed Cymiorug the pandemonium lord
301979 | Zig:14   | Noticed Jaigup the pandemonium lord
301979 | Zig:14   | Noticed Viodd the pandemonium lord
301981 | Zig:14   | Killed Azxeg the pandemonium lord
301981 | Zig:14   | Killed Mitouxeo the pandemonium lord
301981 | Zig:14   | Killed Veetyn the pandemonium lord
301982 | Zig:14   | Noticed Ughutoop the pandemonium lord
301982 | Zig:14   | Killed Dinkirph the pandemonium lord
301982 | Zig:14   | Noticed Jijozoe the pandemonium lord
301982 | Zig:14   | Noticed Rofiteiwom the pandemonium lord
301983 | Zig:14   | Noticed Waebul Fuyng the pandemonium lord
301983 | Zig:14   | Killed Viodd the pandemonium lord
301983 | Zig:14   | Killed Jaigup the pandemonium lord
301983 | Zig:14   | Killed Yseskaloi the pandemonium lord
301983 | Zig:14   | Noticed Adwug the pandemonium lord
301984 | Zig:14   | Noticed Wot Gerr the pandemonium lord
301984 | Zig:14   | Noticed Unaephem the pandemonium lord
301984 | Zig:14   | Noticed Fafruasor the pandemonium lord
301984 | Zig:14   | Noticed Nub Harch the pandemonium lord
301985 | Zig:14   | Killed Rofiteiwom the pandemonium lord
301985 | Zig:14   | Noticed Somaum the pandemonium lord
301986 | Zig:14   | Killed Ughutoop the pandemonium lord
301986 | Zig:14   | Killed Waebul Fuyng the pandemonium lord
301987 | Zig:14   | Killed Adwug the pandemonium lord
301987 | Zig:14   | Killed Nub Harch the pandemonium lord
301987 | Zig:14   | Killed Fafruasor the pandemonium lord
301987 | Zig:14   | Killed Jijozoe the pandemonium lord
301987 | Zig:14   | Noticed Jekokoup the pandemonium lord
301988 | Zig:14   | Killed Unaephem the pandemonium lord
301988 | Zig:14   | Killed Somaum the pandemonium lord
301990 | Zig:14   | Killed Jekokoup the pandemonium lord
301991 | Zig:14   | Noticed Imyefoim the pandemonium lord
301992 | Zig:14   | Killed Wot Gerr the pandemonium lord
301994 | Zig:14   | Noticed Lane the pandemonium lord
301997 | Zig:14   | Killed Imyefoim the pandemonium lord
302002 | Zig:14   | Killed Lane the pandemonium lord
302418 | Zig:14   | Identified the +6 scale mail "Houwigul" {+Inv rN+ Dex+4}
302419 | Zig:14   | Identified the +0 sling "Besoin" {freeze, rF+ rN+ Int+2}
302430 | Zig:14   | Identified the +8 war axe of Meisit {vamp, Str+2}
302442 | Zig:14   | Identified the staff of fire "Siuxaesy" {rPois rF+}
302443 | Zig:14   | Identified the staff of poison "Iwiuqile" {rPois Str+3
                  | Int+2}
302449 | Zig:14   | Identified the +0 halberd "Xuokk" {heavy, rC+}
302563 | Zig:15   | Entered Level 15 of a ziggurat
302774 | Zig:15   | Identified the staff of death "Bimiunn" {rF+ rC+ rN+ Str-3}
302783 | Zig:15   | Identified the +0 leather armour of the Dungeon {Fly rElec
                  | rCorr Str-5}
302786 | Zig:15   | Identified the +2 war axe of Xomnaeg {venom, rPois Will-
                  | Str+5}
302794 | Zig:15   | Identified the staff of cold "Xauqisof" {rC+ Str+5}
303408 | Zig:16   | Entered Level 16 of a ziggurat
304092 | Zig:16   | Identified the +1 robe of the Valley of Death {Rampage
                  | Regen+ Int+3 Archmagi}
304130 | Zig:16   | Identified the staff of poison "Cuta" {rPois rF+ rCorr
                  | Int+4}
304147 | Zig:16   | Identified the +8 short sword "Hiadan" {protect, Fly rElec
                  | MP+9 Str+7}
304154 | Zig:16   | Identified the +7 mace of Conformity {flame, Fly}
304155 | Zig:16   | Identified the +4 long sword "Puidach" {flame, rN++ rCorr
                  | MP+9 Int-3}
304161 | Zig:16   | Identified the +5 halberd "Jeym" {speed, rElec rF+}
304166 | Zig:16   | Identified the +7 plate armour of Valiance {Int+3}
304169 | Zig:16   | Identified the staff of air "Par Ylek" {Fly rElec Str+3
                  | Dex+6}
304171 | Zig:16   | Identified the ring "Nasyenli" {AC+4 Str+3 Int+3 Dex-2}
304172 | Zig:16   | Identified the staff of fire "Kaufra" {rF+ rC++}
304266 | Zig:17   | Entered Level 17 of a ziggurat
304509 | Zig:17   | Identified the ring "Juilui Mehee" {Fly rElec rPois rF-
                  | Dex+3}
304513 | Zig:17   | Identified the +0 buckler of Compassion {rN+ Dex-4 SInv}
304525 | Zig:17   | Identified the ring of Qiregh {rPois Will+ Str+3}
304535 | Zig:17   | Identified the staff of earth "Ceenn" {+Blink rElec rN+++
                  | rCorr}
304536 | Zig:17   | Identified the +0 ring mail of Reason {rN+ Dex+2}
304546 | Zig:17   | Identified the +1 morningstar of the Howling Enemy {heavy,
                  | Str+3 Int+3}
304547 | Zig:17   | Identified the +2 cloak of Toiqi {rElec}
304548 | Zig:17   | Identified the +1 flail of the Hierophant {vamp, rF+ Int+3
                  | Dex+8 Stlth-}
304553 | Zig:17   | Identified the staff of cold "Xaygh" {Fragile +Blink rC+
                  | rN++ rCorr}
304554 | Zig:17   | Identified the staff of conjuration "Yjifibev" {MP+9 Dex+4}
304555 | Zig:17   | Identified the +1 falchion "Cixajel" {heavy, rC+ Will+
                  | Str+6}
304560 | Zig:17   | Identified the staff of cold "Geirpheh" {+Blink rC+ rN+
                  | Str-3}
304592 | Zig:17   | Identified the ring "Cutiz" {rF+ rN++}
304594 | Zig:17   | Identified the staff of death "Ricaab" {rC+ rN+}
305169 | Zig:17   | Identified the staff of death "Igeti" {rC+ rN+}
305197 | Zig:18   | Entered Level 18 of a ziggurat
305203 | Zig:18   | Paralysed by an air elemental for 1 turns
306050 | Zig:18   | Identified the ring "Fosimetu" {*Corrode rC++ rN+ Will+
                  | Dex-3 SInv}
306054 | Zig:18   | Identified the +6 demon whip "Fyebuow" {flame, rF+ rC+
                  | MP+9}
306056 | Zig:18   | Identified the staff of air "Eniodghue" {Fragile rElec
                  | rPois Int+7}
306057 | Zig:18   | Identified the +2 quarterstaff of Stickiness {protect,
                  | rElec rF+ rC+++ Str-5}
306066 | Zig:18   | Identified the +8 short sword of Keushrits {vamp, Int+3}
306071 | Zig:18   | Identified the +9 rapier "Reuqan" {drain, Int+2}
306078 | Zig:18   | Identified the +8 shortbow of the Spectre {heavy, rC+}
306081 | Zig:18   | Identified the +2 leather armour "Ybiczuma" {Int+3}
306092 | Zig:18   | Identified the +4 mace "Ninloweomp" {heavy, MP+9}
306096 | Zig:18   | Identified the ring of Lepiq {AC+4 Int-4 Dex+4}
306099 | Zig:18   | Identified the staff of poison "Opriuz" {Contam rElec rPois
                  | Dex+6}
306103 | Zig:18   | Identified the +3 rapier "Dasasix" {flame, rElec rN+ Str+3
                  | Dex+3}
306104 | Zig:18   | Identified the +5 hand crossbow of the Spectre {freeze,
                  | rElec rN+}
306170 | Zig:19   | Entered Level 19 of a ziggurat
306294 | Zig:19   | Noticed Hohaitwou the pandemonium lord
306325 | Zig:19   | Killed Hohaitwou the pandemonium lord
306780 | Zig:19   | Identified the ring of the Hero {Slay+6 SInv}
306792 | Zig:19   | Identified the +1 hand axe of Ojouxaex {venom, Fly}
306796 | Zig:19   | Identified the +11 shortbow of Trial by Ordeal {speed, rF-
                  | MP+9 Str-4 Stlth+}
306797 | Zig:19   | Identified the +0 ring mail "Zinopp" {rC+ SInv}
306798 | Zig:19   | Identified the +9 dagger "Ciara" {vamp, rPois}
306799 | Zig:19   | Identified the +0 fire dragon scales of the Iron Devil
                  | {rPois rF++ rC- Int+2}
306801 | Zig:19   | Identified the +7 shadow dragon scales of Jozuh {rElec rF+
                  | rC- Dex+6 Stlth++++}
306806 | Zig:19   | Identified the +4 sling of Vuyc Eta {drain, rPois Will+++
                  | Dex-5}
306807 | Zig:19   | Identified the amulet of the Painted God {Faith Int+3}
306810 | Zig:19   | Identified the scarf of the Northern Lights {harm, Regen+}
306812 | Zig:19   | Identified the ring of Checkmate {*Slow rPois Int+2 Dex+3}
306817 | Zig:19   | Identified the +6 quarterstaff of Radicalism {speed, SInv}
306820 | Zig:19   | Identified the ring of Leargh {rF+ MP+9 Str+5}
306831 | Zig:19   | Identified the amulet "Jedetaega" {Acrobat *Corrode rPois
                  | MP+9 SInv}
306838 | Zig:19   | Identified the +0 arbalest of Puuhapa {flame, Drain Str+3
                  | Int+5}
306843 | Zig:19   | Identified the +6 morningstar "Ovusk" {drain, Str+3}
307197 | Zig:20   | Entered Level 20 of a ziggurat
307199 | Zig:20   | Noticed an ancient lich
307199 | Zig:20   | Noticed an ancient lich
307199 | Zig:20   | Noticed a dread lich
307199 | Zig:20   | Noticed a dread lich
307199 | Zig:20   | Noticed an ancient lich
307199 | Zig:20   | Noticed an ancient lich
307200 | Zig:20   | Noticed a dread lich
307200 | Zig:20   | Killed a dread lich
307200 | Zig:20   | Killed an ancient lich
307202 | Zig:20   | Noticed an ancient lich
307202 | Zig:20   | Noticed an ancient lich
307202 | Zig:20   | Noticed a dread lich
307202 | Zig:20   | Noticed a dread lich
307202 | Zig:20   | Noticed an ancient lich
307203 | Zig:20   | Noticed an ancient lich
307203 | Zig:20   | Noticed a dread lich
307203 | Zig:20   | Noticed an ancient lich
307203 | Zig:20   | Noticed an ancient lich
307203 | Zig:20   | Noticed an ancient lich
307204 | Zig:20   | Noticed an ancient lich
307204 | Zig:20   | Noticed a dread lich
307204 | Zig:20   | Killed an ancient lich
307204 | Zig:20   | Killed a dread lich
307204 | Zig:20   | Noticed an ancient lich
307205 | Zig:20   | Noticed a dread lich
307205 | Zig:20   | Noticed a dread lich
307205 | Zig:20   | Noticed a dread lich
307205 | Zig:20   | Killed a dread lich
307206 | Zig:20   | Killed an ancient lich
307206 | Zig:20   | Killed a dread lich
307206 | Zig:20   | Killed an ancient lich
307206 | Zig:20   | Killed an ancient lich
307206 | Zig:20   | Killed a dread lich
307206 | Zig:20   | Killed an ancient lich
307206 | Zig:20   | Killed an ancient lich
307206 | Zig:20   | Killed an ancient lich
307206 | Zig:20   | Killed an ancient lich
307206 | Zig:20   | Killed a dread lich
307206 | Zig:20   | Killed an ancient lich
307206 | Zig:20   | Killed an ancient lich
307206 | Zig:20   | Killed an ancient lich
307206 | Zig:20   | Noticed an ancient lich
307207 | Zig:20   | Noticed an ancient lich
307207 | Zig:20   | Killed a dread lich
307207 | Zig:20   | Killed a dread lich
307207 | Zig:20   | Killed an ancient lich
307207 | Zig:20   | Killed an ancient lich
307207 | Zig:20   | Killed a dread lich
307207 | Zig:20   | Killed an ancient lich
307207 | Zig:20   | Noticed a dread lich
307207 | Zig:20   | Noticed a dread lich
307208 | Zig:20   | Noticed a dread lich
307208 | Zig:20   | Noticed a dread lich
307208 | Zig:20   | Noticed a dread lich
307208 | Zig:20   | Noticed a dread lich
307208 | Zig:20   | Noticed a dread lich
307209 | Zig:20   | Noticed a dread lich
307209 | Zig:20   | Noticed a dread lich
307209 | Zig:20   | Noticed an ancient lich
307209 | Zig:20   | Noticed an ancient lich
307209 | Zig:20   | Noticed a dread lich
307209 | Zig:20   | Noticed a dread lich
307209 | Zig:20   | Noticed a dread lich
307210 | Zig:20   | Noticed a dread lich
307210 | Zig:20   | Noticed a dread lich
307210 | Zig:20   | Noticed a dread lich
307210 | Zig:20   | Noticed a dread lich
307210 | Zig:20   | Noticed an ancient lich
307211 | Zig:20   | Noticed a dread lich
307211 | Zig:20   | Noticed a dread lich
307211 | Zig:20   | Noticed an ancient lich
307211 | Zig:20   | Noticed an ancient lich
307211 | Zig:20   | Noticed a dread lich
307213 | Zig:20   | Killed a dread lich
307213 | Zig:20   | Killed an ancient lich
307213 | Zig:20   | Killed an ancient lich
307213 | Zig:20   | Killed an ancient lich
307213 | Zig:20   | Killed an ancient lich
307213 | Zig:20   | Killed a dread lich
307213 | Zig:20   | Killed a dread lich
307213 | Zig:20   | Killed a dread lich
307213 | Zig:20   | Killed a dread lich
307213 | Zig:20   | Killed a dread lich
307213 | Zig:20   | Killed a dread lich
307213 | Zig:20   | Killed a dread lich
307213 | Zig:20   | Killed a dread lich
307213 | Zig:20   | Killed a dread lich
307213 | Zig:20   | Noticed a dread lich
307214 | Zig:20   | Noticed a dread lich
307214 | Zig:20   | Noticed an ancient lich
307214 | Zig:20   | Killed a dread lich
307214 | Zig:20   | Killed a dread lich
307214 | Zig:20   | Killed a dread lich
307214 | Zig:20   | Killed a dread lich
307214 | Zig:20   | Killed a dread lich
307214 | Zig:20   | Killed an ancient lich
307214 | Zig:20   | Killed a dread lich
307214 | Zig:20   | Killed a dread lich
307214 | Zig:20   | Killed a dread lich
307214 | Zig:20   | Killed a dread lich
307214 | Zig:20   | Killed a dread lich
307215 | Zig:20   | Noticed an ancient lich
307215 | Zig:20   | Noticed an ancient lich
307215 | Zig:20   | Noticed an ancient lich
307215 | Zig:20   | Noticed a dread lich
307215 | Zig:20   | Noticed a dread lich
307215 | Zig:20   | Noticed an ancient lich
307216 | Zig:20   | Noticed a dread lich
307216 | Zig:20   | Noticed an ancient lich
307216 | Zig:20   | Noticed an ancient lich
307216 | Zig:20   | Noticed a dread lich
307216 | Zig:20   | Noticed an ancient lich
307216 | Zig:20   | Noticed an ancient lich
307216 | Zig:20   | Noticed a dread lich
307216 | Zig:20   | Noticed an ancient lich
307216 | Zig:20   | Noticed a dread lich
307216 | Zig:20   | Noticed a dread lich
307217 | Zig:20   | Noticed an ancient lich
307217 | Zig:20   | Noticed a dread lich
307217 | Zig:20   | Noticed a dread lich
307217 | Zig:20   | Noticed a dread lich
307217 | Zig:20   | Noticed a dread lich
307217 | Zig:20   | Noticed a dread lich
307218 | Zig:20   | Noticed a dread lich
307218 | Zig:20   | Noticed an ancient lich
307218 | Zig:20   | Noticed a dread lich
307218 | Zig:20   | Noticed a dread lich
307218 | Zig:20   | Noticed an ancient lich
307219 | Zig:20   | Noticed a dread lich
307219 | Zig:20   | Noticed an ancient lich
307219 | Zig:20   | Noticed an ancient lich
307219 | Zig:20   | Noticed an ancient lich
307219 | Zig:20   | Noticed an ancient lich
307220 | Zig:20   | Noticed an ancient lich
307220 | Zig:20   | Noticed a dread lich
307220 | Zig:20   | Killed a dread lich
307220 | Zig:20   | Killed an ancient lich
307220 | Zig:20   | Killed a dread lich
307220 | Zig:20   | Killed a dread lich
307220 | Zig:20   | Killed a dread lich
307220 | Zig:20   | Killed a dread lich
307220 | Zig:20   | Killed an ancient lich
307220 | Zig:20   | Killed a dread lich
307220 | Zig:20   | Killed a dread lich
307220 | Zig:20   | Killed an ancient lich
307220 | Zig:20   | Killed an ancient lich
307220 | Zig:20   | Killed a dread lich
307220 | Zig:20   | Killed an ancient lich
307220 | Zig:20   | Killed an ancient lich
307220 | Zig:20   | Killed a dread lich
307220 | Zig:20   | Killed a dread lich
307220 | Zig:20   | Noticed a dread lich
307220 | Zig:20   | Noticed a dread lich
307221 | Zig:20   | Killed an ancient lich
307221 | Zig:20   | Killed a dread lich
307221 | Zig:20   | Killed an ancient lich
307221 | Zig:20   | Killed an ancient lich
307221 | Zig:20   | Killed an ancient lich
307221 | Zig:20   | Killed a dread lich
307221 | Zig:20   | Killed an ancient lich
307221 | Zig:20   | Killed an ancient lich
307221 | Zig:20   | Killed a dread lich
307221 | Zig:20   | Killed an ancient lich
307221 | Zig:20   | Killed an ancient lich
307222 | Zig:20   | Killed an ancient lich
307222 | Zig:20   | Killed a dread lich
307222 | Zig:20   | Killed an ancient lich
307222 | Zig:20   | Killed a dread lich
307222 | Zig:20   | Killed a dread lich
307222 | Zig:20   | Killed an ancient lich
307222 | Zig:20   | Killed an ancient lich
307222 | Zig:20   | Killed a dread lich
307222 | Zig:20   | Killed a dread lich
307222 | Zig:20   | Killed a dread lich
307222 | Zig:20   | Killed a dread lich
307222 | Zig:20   | Noticed an ancient lich
307222 | Zig:20   | Noticed a dread lich
307222 | Zig:20   | Noticed an ancient lich
307222 | Zig:20   | Noticed an ancient lich
307223 | Zig:20   | Noticed an ancient lich
307223 | Zig:20   | Noticed an ancient lich
307224 | Zig:20   | Noticed an ancient lich
307224 | Zig:20   | Noticed a dread lich
307224 | Zig:20   | Noticed an ancient lich
307225 | Zig:20   | Noticed an ancient lich
307227 | Zig:20   | Killed an ancient lich
307227 | Zig:20   | Killed a dread lich
307227 | Zig:20   | Killed an ancient lich
307228 | Zig:20   | Killed an ancient lich
307228 | Zig:20   | Killed an ancient lich
307228 | Zig:20   | Killed a dread lich
307228 | Zig:20   | Killed an ancient lich
307228 | Zig:20   | Killed an ancient lich
307228 | Zig:20   | Killed a dread lich
307228 | Zig:20   | Killed an ancient lich
307228 | Zig:20   | Killed an ancient lich
307229 | Zig:20   | Noticed a dread lich
307229 | Zig:20   | Noticed a dread lich
307229 | Zig:20   | Noticed a dread lich
307229 | Zig:20   | Noticed an ancient lich
307229 | Zig:20   | Noticed a dread lich
307233 | Zig:20   | Killed a dread lich
307233 | Zig:20   | Killed a dread lich
307233 | Zig:20   | Killed an ancient lich
307233 | Zig:20   | Killed a dread lich
307233 | Zig:20   | Killed a dread lich
307841 | Zig:20   | Identified the ring "Kaittoed" {EV+5 Dex+7}
307858 | Zig:20   | Identified the ring "Resanapti" {*Slow rC+ rN+ Dex+4}
307922 | Zig:20   | Identified the +2 robe "Leexkaneo" {rElec Int+2 SInv}
308003 | Zig:21   | Entered Level 21 of a ziggurat
308011 | Zig:21   | Paralysed by an air elemental for 1 turns
308026 | Zig:21   | Paralysed by an air elemental for 1 turns
308232 | Zig:21   | Identified the staff of cold "Jeov" {rC+ rN+ Int+3 Stlth+}
308234 | Zig:21   | Identified the staff of conjuration "Cith" {+Blink rF-
                  | Dex+3}
308237 | Zig:21   | Acquired 1270 gold pieces
308238 | Zig:21   | Acquired 784 gold pieces
308244 | Zig:21   | Identified the +2 rapier of Lunounini {antimagic, rC+}
308245 | Zig:21   | Identified the +6 dagger of the Ass {freeze, rF+ Will+}
308248 | Zig:21   | Identified the +8 battleaxe of Ceqewuubb {spect, Str+3}
308255 | Zig:21   | Identified the ring of the Traitor {rN+ Int+6 SInv}
308256 | Zig:21   | Identified the +4 chain mail of Supple Strength {Fly Will+}
308260 | Zig:21   | Identified the staff of earth "Foruihel" {rN+ MP+9 Int+2
                  | Stlth-}
308278 | Zig:21   | Identified the amulet "Feja" {Acrobat Int+6 Dex+2}
308286 | Zig:21   | Identified the ring "Dossisonk" {rC+ rN+ MP+9}
308292 | Zig:21   | Identified the +1 hat of Recklessness {Harm rF- Int+7
                  | Dex-2}
308328 | Zig:21   | Identified the ring of Nothiapy {rF+ Int+6}
308960 | Zig:21   | Identified the +3 great sword of the Three Beasts {protect,
                  | Stlth+}
308999 | Zig:22   | Entered Level 22 of a ziggurat
309003 | Zig:22   | Noticed a juggernaut
309003 | Zig:22   | Noticed a juggernaut
309003 | Zig:22   | Noticed a juggernaut
309003 | Zig:22   | Noticed a juggernaut
309003 | Zig:22   | Noticed a juggernaut
309003 | Zig:22   | Noticed a juggernaut
309004 | Zig:22   | Killed a juggernaut
309004 | Zig:22   | Killed a juggernaut
309004 | Zig:22   | Killed a juggernaut
309004 | Zig:22   | Killed a juggernaut
309004 | Zig:22   | Killed a juggernaut
309005 | Zig:22   | Noticed a juggernaut
309005 | Zig:22   | Noticed a juggernaut
309005 | Zig:22   | Noticed a juggernaut
309006 | Zig:22   | Noticed a juggernaut
309006 | Zig:22   | Noticed a juggernaut
309006 | Zig:22   | Noticed a juggernaut
309006 | Zig:22   | Noticed a juggernaut
309006 | Zig:22   | Noticed a juggernaut
309006 | Zig:22   | Noticed a juggernaut
309006 | Zig:22   | Noticed a juggernaut
309007 | Zig:22   | Noticed a juggernaut
309007 | Zig:22   | Noticed a juggernaut
309007 | Zig:22   | Noticed a juggernaut
309007 | Zig:22   | Noticed a juggernaut
309008 | Zig:22   | Noticed a juggernaut
309008 | Zig:22   | Killed a juggernaut
309008 | Zig:22   | Killed a juggernaut
309008 | Zig:22   | Killed a juggernaut
309008 | Zig:22   | Noticed a juggernaut
309008 | Zig:22   | Noticed a juggernaut
309009 | Zig:22   | Noticed a juggernaut
309009 | Zig:22   | Noticed a juggernaut
309009 | Zig:22   | Noticed a juggernaut
309009 | Zig:22   | Killed a juggernaut
309009 | Zig:22   | Killed a juggernaut
309009 | Zig:22   | Killed a juggernaut
309009 | Zig:22   | Noticed a juggernaut
309010 | Zig:22   | Noticed a juggernaut
309010 | Zig:22   | Noticed a juggernaut
309010 | Zig:22   | Noticed a juggernaut
309010 | Zig:22   | Killed a juggernaut
309010 | Zig:22   | Killed a juggernaut
309011 | Zig:22   | Noticed a juggernaut
309011 | Zig:22   | Killed a juggernaut
309011 | Zig:22   | Killed a juggernaut
309011 | Zig:22   | Killed a juggernaut
309011 | Zig:22   | Noticed a juggernaut
309012 | Zig:22   | Noticed a juggernaut
309012 | Zig:22   | Noticed a juggernaut
309012 | Zig:22   | Noticed a juggernaut
309012 | Zig:22   | Killed a juggernaut
309012 | Zig:22   | Killed a juggernaut
309012 | Zig:22   | Killed a juggernaut
309012 | Zig:22   | Killed a juggernaut
309012 | Zig:22   | Killed a juggernaut
309012 | Zig:22   | Noticed a juggernaut
309013 | Zig:22   | Noticed a juggernaut
309013 | Zig:22   | Noticed a juggernaut
309013 | Zig:22   | Noticed a juggernaut
309013 | Zig:22   | Noticed a juggernaut
309013 | Zig:22   | Killed a juggernaut
309013 | Zig:22   | Killed a juggernaut
309013 | Zig:22   | Killed a juggernaut
309013 | Zig:22   | Killed a juggernaut
309013 | Zig:22   | Noticed a juggernaut
309014 | Zig:22   | Noticed a juggernaut
309014 | Zig:22   | Noticed a juggernaut
309014 | Zig:22   | Noticed a juggernaut
309014 | Zig:22   | Noticed a juggernaut
309014 | Zig:22   | Noticed a juggernaut
309014 | Zig:22   | Noticed a juggernaut
309014 | Zig:22   | Noticed a juggernaut
309015 | Zig:22   | Noticed a juggernaut
309016 | Zig:22   | Killed a juggernaut
309016 | Zig:22   | Killed a juggernaut
309016 | Zig:22   | Killed a juggernaut
309016 | Zig:22   | Killed a juggernaut
309016 | Zig:22   | Killed a juggernaut
309016 | Zig:22   | Killed a juggernaut
309016 | Zig:22   | Killed a juggernaut
309016 | Zig:22   | Noticed a juggernaut
309016 | Zig:22   | Noticed a juggernaut
309016 | Zig:22   | Noticed a juggernaut
309016 | Zig:22   | Noticed a juggernaut
309017 | Zig:22   | Noticed a juggernaut
309017 | Zig:22   | Noticed a juggernaut
309017 | Zig:22   | Noticed a juggernaut
309017 | Zig:22   | Noticed a juggernaut
309017 | Zig:22   | Noticed a juggernaut
309018 | Zig:22   | Noticed a juggernaut
309018 | Zig:22   | Noticed a juggernaut
309018 | Zig:22   | Noticed a juggernaut
309019 | Zig:22   | Killed a juggernaut
309019 | Zig:22   | Killed a juggernaut
309019 | Zig:22   | Killed a juggernaut
309019 | Zig:22   | Killed a juggernaut
309019 | Zig:22   | Killed a juggernaut
309019 | Zig:22   | Killed a juggernaut
309019 | Zig:22   | Killed a juggernaut
309019 | Zig:22   | Killed a juggernaut
309019 | Zig:22   | Killed a juggernaut
309019 | Zig:22   | Killed a juggernaut
309019 | Zig:22   | Killed a juggernaut
309019 | Zig:22   | Killed a juggernaut
309019 | Zig:22   | Noticed a juggernaut
309019 | Zig:22   | Noticed a juggernaut
309019 | Zig:22   | Noticed a juggernaut
309020 | Zig:22   | Killed a juggernaut
309020 | Zig:22   | Killed a juggernaut
309020 | Zig:22   | Killed a juggernaut
309020 | Zig:22   | Killed a juggernaut
309020 | Zig:22   | Killed a juggernaut
309020 | Zig:22   | Killed a juggernaut
309020 | Zig:22   | Killed a juggernaut
309020 | Zig:22   | Killed a juggernaut
309020 | Zig:22   | Killed a juggernaut
309020 | Zig:22   | Killed a juggernaut
309020 | Zig:22   | Killed a juggernaut
309020 | Zig:22   | Killed a juggernaut
309020 | Zig:22   | Killed a juggernaut
309020 | Zig:22   | Noticed a juggernaut
309021 | Zig:22   | Noticed a juggernaut
309022 | Zig:22   | Noticed a juggernaut
309022 | Zig:22   | Noticed a juggernaut
309022 | Zig:22   | Noticed a juggernaut
309022 | Zig:22   | Noticed a juggernaut
309022 | Zig:22   | Noticed a juggernaut
309022 | Zig:22   | Noticed a juggernaut
309022 | Zig:22   | Noticed a juggernaut
309022 | Zig:22   | Killed a juggernaut
309022 | Zig:22   | Noticed a juggernaut
309022 | Zig:22   | Noticed a juggernaut
309022 | Zig:22   | Noticed a juggernaut
309022 | Zig:22   | Noticed a juggernaut
309022 | Zig:22   | Noticed a juggernaut
309022 | Zig:22   | Noticed a juggernaut
309022 | Zig:22   | Noticed a juggernaut
309023 | Zig:22   | Killed a juggernaut
309023 | Zig:22   | Killed a juggernaut
309023 | Zig:22   | Killed a juggernaut
309023 | Zig:22   | Noticed a juggernaut
309024 | Zig:22   | Killed a juggernaut
309024 | Zig:22   | Killed a juggernaut
309024 | Zig:22   | Killed a juggernaut
309024 | Zig:22   | Killed a juggernaut
309024 | Zig:22   | Killed a juggernaut
309024 | Zig:22   | Killed a juggernaut
309024 | Zig:22   | Killed a juggernaut
309024 | Zig:22   | Killed a juggernaut
309024 | Zig:22   | Killed a juggernaut
309024 | Zig:22   | Killed a juggernaut
309024 | Zig:22   | Killed a juggernaut
309024 | Zig:22   | Killed a juggernaut
309024 | Zig:22   | Killed a juggernaut
309024 | Zig:22   | Killed a juggernaut
309024 | Zig:22   | Killed a juggernaut
309025 | Zig:22   | Noticed a juggernaut
309025 | Zig:22   | Noticed a juggernaut
309025 | Zig:22   | Killed a juggernaut
309026 | Zig:22   | Noticed a juggernaut
309026 | Zig:22   | Killed a juggernaut
309027 | Zig:22   | Killed a juggernaut
309027 | Zig:22   | Killed a juggernaut
309028 | Zig:22   | Killed a juggernaut
309028 | Zig:22   | Killed a juggernaut
309029 | Zig:22   | Killed a juggernaut
309029 | Zig:22   | Killed a juggernaut
309045 | Zig:22   | Identified the ring of Kuillog {rC- Will+ rCorr Int+7}
309637 | Zig:22   | Identified the +3 morningstar "Grim Tooth" {spect, *Corrode
                  | rF+++ rC+ Will-}
309674 | Zig:22   | Identified the +10 hand axe of the Leaping Gods {spect, rF+
                  | Dex+4}
309676 | Zig:22   | Identified the +10 long sword of Dim Light {freeze, rPois}
309683 | Zig:22   | Identified the +1 leather armour of Parts Unknown {rF++}
309717 | Zig:22   | Identified the +9 morningstar "Ysaenkig" {freeze, *Rage
                  | +Blink Str+3}
309756 | Zig:22   | Identified the +1 halberd "Jugg" {freeze, *Slow rPois rF+
                  | Int+2}
309759 | Zig:22   | Identified the staff of death "Zezoil Gegh" {rF+ rN+}
309766 | Zig:22   | Identified the staff of poison "Tynytoiq" {rPois rF+}
309770 | Zig:22   | Identified the +3 war axe "Giantbane" {holy, rPois Str+8
                  | Int-4 Stlth+}
309781 | Zig:22   | Identified the +8 hand axe "Umidoigg" {heavy, rElec}
309787 | Zig:22   | Identified the ring "Atiept" {*Slow +Blink MP+9 Int+7
                  | Dex+3}
309801 | Zig:22   | Identified the +0 chain mail "Fukk" {rF+ rC++}
309821 | Zig:22   | Identified the staff of air "Vaqonom" {rElec SInv}
309922 | Zig:23   | Entered Level 23 of a ziggurat
309980 | Zig:23   | Found the +18 Lear's hauberk
310154 | Zig:23   | Identified the ring "Irchoish" {Fire Str-5 Int-5 Dex+5}
310156 | Zig:23   | Identified the +2 plate armour of Zin's Anger {Harm Str+4
                  | Dex-5}
310158 | Zig:23   | Identified the +0 kite shield of Duhe {rCorr Str+3}
310172 | Zig:23   | Identified the staff of conjuration "Saat Xeic" {rCorr
                  | Str-4 Dex+3}
310176 | Zig:23   | Identified the +9 plate armour of the Nightingale {Drain
                  | rElec rCorr Dex+4}
310199 | Zig:23   | Identified the +10 scimitar of Ytovo {spect, Dex+3}
310200 | Zig:23   | Identified the staff of poison "Uzal Sox" {Fly rElec rPois}
310210 | Zig:23   | Identified the +6 spear "Quxteim" {venom, Int+2}
310212 | Zig:23   | Identified the staff of air "Kousch" {rElec Dex+4}
310215 | Zig:23   | Identified the +2 robe of the Abyss {Will+ Str+3}
310217 | Zig:23   | Identified the ring "Fujo" {rElec rN++ Will+ rCorr Dex-3}
310218 | Zig:23   | Identified the +8 war axe of the Hidden Ghosts {freeze,
                  | rPois rN+ Will+ Int-4}
310229 | Zig:23   | Identified the staff of poison "Beapuab" {rPois rF++}
310258 | Zig:23   | Identified the +4 spear of the Other Side {elec, Str+4}
310268 | Zig:23   | Identified the +1 glaive "Wutsumask" {freeze, rC+ rN+}
310278 | Zig:23   | Identified the ring "Jufoetis" {rC+ Dex+5}
311159 | Zig:23   | Learned a level 8 spell: Disjunction
311171 | Zig:24   | Entered Level 24 of a ziggurat
312112 | Zig:24   | Identified the +10 spear "Verher" {protect, rPois Dex+2}
312119 | Zig:24   | Identified the +10 rapier of Calamity {heavy, Will+ Str+2
                  | Int+3 SInv}
312134 | Zig:24   | Identified the +3 leather armour of Integrity {rN+ Dex+3}
312138 | Zig:24   | Identified the +2 lajatang "Qomojoe" {vamp, Stlth+}
312172 | Zig:24   | Identified the +2 leather armour of the Blizzard {rPois
                  | rC+}
312177 | Zig:24   | Identified the +7 battleaxe of the Warrior {drain, rPois
                  | Will- Str+8 Dex-2}
312299 | Zig:25   | Entered Level 25 of a ziggurat
312352 | Zig:25   | Paralysed by accursed screaming for 2 turns
312363 | Zig:25   | Paralysed by accursed screaming for 2 turns
312382 | Zig:25   | Paralysed by accursed screaming for 1 turns
312596 | Zig:25   | Identified the +6 arbalest "Demonspawn's Foe" {drain, Drain
                  | rF+ rCorr}
312604 | Zig:25   | Identified the staff of conjuration "Xyjis" {rElec SInv}
312605 | Zig:25   | Identified the ring "Dixuvaf" {+Blink Fly Str+3 SInv}
312606 | Zig:25   | Identified the +10 scimitar "Keutwiamp" {venom, rF+ Will+
                  | MP-9}
312607 | Zig:25   | Identified the ring of Uhawki {Dex+5 SInv Stlth+}
312623 | Zig:25   | Identified the +6 sling of Indomitability {drain, rCorr
                  | Str+3 Int+4}
312652 | Zig:25   | Identified the staff of fire "Xazaib" {rPois rF+ SInv}
312689 | Zig:25   | Identified the staff of cold "Cigu Pewnu" {rF+ rC+ Int+3}
312693 | Zig:25   | Identified the ring of Qeagasch {+Blink rC++ MP-9 Dex+6}
312697 | Zig:25   | Identified the +0 ring mail of the Summoning Gods {*Corrode
                  | rN+ Will+++ Dex+2}
312739 | Zig:25   | Identified the +4 scale mail of Lifelessness {rPois Will+
                  | rCorr Str-4}
312768 | Zig:25   | Acquired 498 gold pieces
312769 | Zig:25   | Acquired 769 gold pieces
312771 | Zig:25   | Identified the staff of earth "Xiobebedgh" {Dex+2}
312775 | Zig:25   | Identified the staff of fire "Kuhebaz" {rElec rF+ rCorr
                  | Dex+3}
313067 | Zig:25   | Identified the staff of conjuration "Bodyic" {Will+ Str+3
                  | Int+4}
313077 | Zig:25   | Identified the +15 plate armour of Xom's Regard {Fly Will+
                  | SInv}
313600 | Zig:26   | Entered Level 26 of a ziggurat
314531 | Zig:26   | Identified the ring "Lecesm" {*Slow rCorr Str+6 Int+2 SInv}
314566 | Zig:26   | Identified the ring "Jeym" {+Blink MP+9 Int-5 Dex+3}
314580 | Zig:26   | Identified the +1 glaive of Integrity {vamp, Str+9 Int-5
                  | Dex-3 Stlth+}
314610 | Zig:26   | Identified the staff of air "Naowkasu" {Fly rElec}
314620 | Zig:26   | Identified the +5 short sword of Wu Jian's Vengeance
                  | {heavy, rPois rC+ Dex-2}
314623 | Zig:26   | Identified the +1 robe "Goqonot" {rCorr}
314627 | Zig:26   | Identified the +12 short sword "Dacom" {heavy, rElec rF+
                  | Will- Str+6 Int+3}
314644 | Zig:26   | Identified the +3 ring mail "Omism" {+Blink}
314650 | Zig:26   | Identified the +9 shortbow of Resourcefulness {freeze,
                  | rPois rN+ Dex+3}
314652 | Zig:26   | Identified the ring "Forchoida" {MP+9 SInv}
314693 | Zig:26   | Identified the staff of earth "Kusot" {rElec rPois Int+5
                  | Stlth-}
314694 | Zig:26   | Identified the +7 chain mail of Lyry {rF+}
314821 | Zig:27   | Entered Level 27 of a ziggurat
314827 | Zig:27   | Noticed a juggernaut
314829 | Zig:27   | Noticed a juggernaut
314829 | Zig:27   | Noticed a juggernaut
314829 | Zig:27   | Noticed a juggernaut
314831 | Zig:27   | Noticed a juggernaut
314831 | Zig:27   | Noticed a juggernaut
314832 | Zig:27   | Noticed a juggernaut
314833 | Zig:27   | Noticed a juggernaut
314834 | Zig:27   | Noticed a juggernaut
314834 | Zig:27   | Noticed a juggernaut
314835 | Zig:27   | Noticed a juggernaut
314835 | Zig:27   | Noticed a juggernaut
314835 | Zig:27   | Noticed a juggernaut
314836 | Zig:27   | Noticed a juggernaut
314836 | Zig:27   | Killed a juggernaut
314836 | Zig:27   | Killed a juggernaut
314836 | Zig:27   | Killed a juggernaut
314836 | Zig:27   | Killed a juggernaut
314836 | Zig:27   | Killed a juggernaut
314836 | Zig:27   | Killed a juggernaut
314836 | Zig:27   | Killed a juggernaut
314836 | Zig:27   | Killed a juggernaut
314836 | Zig:27   | Noticed a juggernaut
314837 | Zig:27   | Killed a juggernaut
314837 | Zig:27   | Killed a juggernaut
314837 | Zig:27   | Noticed a juggernaut
314837 | Zig:27   | Noticed a juggernaut
314837 | Zig:27   | Noticed a juggernaut
314838 | Zig:27   | Noticed a juggernaut
314838 | Zig:27   | Noticed a juggernaut
314838 | Zig:27   | Noticed a juggernaut
314838 | Zig:27   | Killed a juggernaut
314839 | Zig:27   | Noticed a juggernaut
314839 | Zig:27   | Noticed a juggernaut
314839 | Zig:27   | Killed a juggernaut
314839 | Zig:27   | Killed a juggernaut
314839 | Zig:27   | Noticed a juggernaut
314840 | Zig:27   | Noticed a juggernaut
314840 | Zig:27   | Noticed a juggernaut
314840 | Zig:27   | Noticed a juggernaut
314840 | Zig:27   | Killed a juggernaut
314840 | Zig:27   | Noticed a juggernaut
314841 | Zig:27   | Noticed a juggernaut
314841 | Zig:27   | Noticed a juggernaut
314841 | Zig:27   | Killed a juggernaut
314842 | Zig:27   | Noticed a juggernaut
314842 | Zig:27   | Killed a juggernaut
314842 | Zig:27   | Killed a juggernaut
314842 | Zig:27   | Killed a juggernaut
314842 | Zig:27   | Killed a juggernaut
314842 | Zig:27   | Killed a juggernaut
314842 | Zig:27   | Killed a juggernaut
314842 | Zig:27   | Killed a juggernaut
314842 | Zig:27   | Killed a juggernaut
314842 | Zig:27   | Killed a juggernaut
314842 | Zig:27   | Noticed a juggernaut
314843 | Zig:27   | Noticed a juggernaut
314843 | Zig:27   | Noticed a juggernaut
314843 | Zig:27   | Noticed a juggernaut
314843 | Zig:27   | Noticed a juggernaut
314843 | Zig:27   | Noticed a juggernaut
314843 | Zig:27   | Noticed a juggernaut
314843 | Zig:27   | Noticed a juggernaut
314844 | Zig:27   | Noticed a juggernaut
314844 | Zig:27   | Noticed a juggernaut
314845 | Zig:27   | Noticed a juggernaut
314845 | Zig:27   | Noticed a juggernaut
314845 | Zig:27   | Noticed a juggernaut
314845 | Zig:27   | Noticed a juggernaut
314845 | Zig:27   | Noticed a juggernaut
314845 | Zig:27   | Noticed a juggernaut
314846 | Zig:27   | Killed a juggernaut
314846 | Zig:27   | Killed a juggernaut
314846 | Zig:27   | Killed a juggernaut
314846 | Zig:27   | Killed a juggernaut
314846 | Zig:27   | Killed a juggernaut
314846 | Zig:27   | Killed a juggernaut
314846 | Zig:27   | Killed a juggernaut
314846 | Zig:27   | Noticed a juggernaut
314846 | Zig:27   | Noticed a juggernaut
314846 | Zig:27   | Noticed a juggernaut
314847 | Zig:27   | Killed a juggernaut
314847 | Zig:27   | Killed a juggernaut
314847 | Zig:27   | Killed a juggernaut
314847 | Zig:27   | Killed a juggernaut
314847 | Zig:27   | Killed a juggernaut
314847 | Zig:27   | Killed a juggernaut
314847 | Zig:27   | Killed a juggernaut
314847 | Zig:27   | Killed a juggernaut
314847 | Zig:27   | Killed a juggernaut
314847 | Zig:27   | Killed a juggernaut
314847 | Zig:27   | Killed a juggernaut
314847 | Zig:27   | Killed a juggernaut
314847 | Zig:27   | Noticed a juggernaut
314847 | Zig:27   | Noticed a juggernaut
314847 | Zig:27   | Noticed a juggernaut
314849 | Zig:27   | Noticed a juggernaut
314849 | Zig:27   | Noticed a juggernaut
314849 | Zig:27   | Noticed a juggernaut
314849 | Zig:27   | Noticed a juggernaut
314849 | Zig:27   | Noticed a juggernaut
314849 | Zig:27   | Noticed a juggernaut
314849 | Zig:27   | Noticed a juggernaut
314849 | Zig:27   | Noticed a juggernaut
314849 | Zig:27   | Noticed a juggernaut
314849 | Zig:27   | Noticed a juggernaut
314849 | Zig:27   | Noticed a juggernaut
314850 | Zig:27   | Noticed a juggernaut
314850 | Zig:27   | Noticed a juggernaut
314850 | Zig:27   | Noticed a juggernaut
314850 | Zig:27   | Noticed a juggernaut
314850 | Zig:27   | Noticed a juggernaut
314850 | Zig:27   | Noticed a juggernaut
314850 | Zig:27   | Noticed a juggernaut
314850 | Zig:27   | Noticed a juggernaut
314850 | Zig:27   | Killed a juggernaut
314850 | Zig:27   | Noticed a juggernaut
314850 | Zig:27   | Noticed a juggernaut
314851 | Zig:27   | Noticed a juggernaut
314851 | Zig:27   | Noticed a juggernaut
314851 | Zig:27   | Noticed a juggernaut
314851 | Zig:27   | Killed a juggernaut
314851 | Zig:27   | Noticed a juggernaut
314851 | Zig:27   | Noticed a juggernaut
314852 | Zig:27   | Noticed a juggernaut
314852 | Zig:27   | Noticed a juggernaut
314852 | Zig:27   | Noticed a juggernaut
314852 | Zig:27   | Noticed a juggernaut
314852 | Zig:27   | Killed a juggernaut
314852 | Zig:27   | Killed a juggernaut
314852 | Zig:27   | Killed a juggernaut
314853 | Zig:27   | Noticed a juggernaut
314853 | Zig:27   | Noticed a juggernaut
314853 | Zig:27   | Noticed a juggernaut
314853 | Zig:27   | Noticed a juggernaut
314853 | Zig:27   | Noticed a juggernaut
314853 | Zig:27   | Killed a juggernaut
314853 | Zig:27   | Killed a juggernaut
314853 | Zig:27   | Killed a juggernaut
314853 | Zig:27   | Killed a juggernaut
314853 | Zig:27   | Killed a juggernaut
314853 | Zig:27   | Killed a juggernaut
314853 | Zig:27   | Killed a juggernaut
314853 | Zig:27   | Killed a juggernaut
314853 | Zig:27   | Killed a juggernaut
314853 | Zig:27   | Killed a juggernaut
314853 | Zig:27   | Killed a juggernaut
314853 | Zig:27   | Killed a juggernaut
314853 | Zig:27   | Killed a juggernaut
314853 | Zig:27   | Killed a juggernaut
314853 | Zig:27   | Killed a juggernaut
314853 | Zig:27   | Killed a juggernaut
314853 | Zig:27   | Killed a juggernaut
314853 | Zig:27   | Killed a juggernaut
314853 | Zig:27   | Killed a juggernaut
314853 | Zig:27   | Killed a juggernaut
314853 | Zig:27   | Killed a juggernaut
314853 | Zig:27   | Killed a juggernaut
314853 | Zig:27   | Killed a juggernaut
314853 | Zig:27   | Killed a juggernaut
314853 | Zig:27   | Killed a juggernaut
314853 | Zig:27   | Killed a juggernaut
314853 | Zig:27   | Killed a juggernaut
314853 | Zig:27   | Killed a juggernaut
314853 | Zig:27   | Killed a juggernaut
314853 | Zig:27   | Killed a juggernaut
314853 | Zig:27   | Killed a juggernaut
314853 | Zig:27   | Killed a juggernaut
314853 | Zig:27   | Noticed a juggernaut
314854 | Zig:27   | Noticed a juggernaut
314854 | Zig:27   | Noticed a juggernaut
314854 | Zig:27   | Noticed a juggernaut
314854 | Zig:27   | Killed a juggernaut
314854 | Zig:27   | Killed a juggernaut
314854 | Zig:27   | Killed a juggernaut
314854 | Zig:27   | Noticed a juggernaut
314855 | Zig:27   | Noticed a juggernaut
314855 | Zig:27   | Noticed a juggernaut
314855 | Zig:27   | Noticed a juggernaut
314855 | Zig:27   | Noticed a juggernaut
314855 | Zig:27   | Killed a juggernaut
314855 | Zig:27   | Killed a juggernaut
314855 | Zig:27   | Killed a juggernaut
314856 | Zig:27   | Noticed a juggernaut
314856 | Zig:27   | Noticed a juggernaut
314856 | Zig:27   | Killed a juggernaut
314857 | Zig:27   | Noticed a juggernaut
314858 | Zig:27   | Noticed a juggernaut
314858 | Zig:27   | Noticed a juggernaut
314858 | Zig:27   | Noticed a juggernaut
314859 | Zig:27   | Noticed a juggernaut
314859 | Zig:27   | Killed a juggernaut
314859 | Zig:27   | Killed a juggernaut
314859 | Zig:27   | Killed a juggernaut
314859 | Zig:27   | Killed a juggernaut
314859 | Zig:27   | Killed a juggernaut
314859 | Zig:27   | Killed a juggernaut
314859 | Zig:27   | Killed a juggernaut
314859 | Zig:27   | Killed a juggernaut
314859 | Zig:27   | Killed a juggernaut
314859 | Zig:27   | Killed a juggernaut
314859 | Zig:27   | Killed a juggernaut
314859 | Zig:27   | Noticed a juggernaut
314860 | Zig:27   | Noticed a juggernaut
314860 | Zig:27   | Noticed a juggernaut
314860 | Zig:27   | Noticed a juggernaut
314860 | Zig:27   | Noticed a juggernaut
314864 | Zig:27   | Killed a juggernaut
314864 | Zig:27   | Killed a juggernaut
314864 | Zig:27   | Killed a juggernaut
314864 | Zig:27   | Killed a juggernaut
314865 | Zig:27   | Noticed a juggernaut
314865 | Zig:27   | Noticed a juggernaut
314865 | Zig:27   | Noticed a juggernaut
314866 | Zig:27   | Noticed a juggernaut
314868 | Zig:27   | Killed a juggernaut
314869 | Zig:27   | Killed a juggernaut
314870 | Zig:27   | Killed a juggernaut
314870 | Zig:27   | Killed a juggernaut
314870 | Zig:27   | Killed a juggernaut
314871 | Zig:27   | Killed a juggernaut
314871 | Zig:27   | Killed a juggernaut
314871 | Zig:27   | Killed a juggernaut
314871 | Zig:27   | Killed a juggernaut
314873 | Zig:27   | Killed a juggernaut
314876 | Zig:27   | Noticed a juggernaut
314879 | Zig:27   | Killed a juggernaut
314880 | Zig:27   | Killed a juggernaut
315085 | Zig:27   | Identified the +2 battleaxe of Piwkeifam {freeze, rPois
                  | Dex+5}
315093 | Zig:27   | Identified the +11 short sword "Weul" {heavy, Int+6}
315097 | Zig:27   | Identified the ring of Wophut {+Blink rC+ Will- Str+6}
315098 | Zig:27   | Identified the +9 great mace of the Blushing Scorpion
                  | {freeze, *Corrode rF+ rN+ Stlth+}
315114 | Zig:27   | Identified the ring "Sourgh" {rElec rN+ Will+ Str-2 Dex+2}
315148 | Zig:27   | Identified the ring "Mennulenim" {Fire Int+5}
315158 | Zig:27   | Identified the +6 dagger "Dragonbane" {freeze, Str+3 Int+4
                  | Dex-4}
315162 | Zig:27   | Identified the +2 chain mail "Qylo" {Str+4 Int+2}
315171 | Zig:27   | Identified the +1 short sword "Cuonul" {heavy, Dex+3}
315175 | Zig:27   | Identified the ring of Vicliupn {rPois rC+ Will+}
315189 | Zig:27   | Identified the +1 buckler of Bobyz {Rampage rN+}
315201 | Zig:27   | Identified the +11 spear "Xien" {heavy, rC+ Str-3 Int+2}
315202 | Zig:27   | Identified the +4 whip "Yrequnn" {heavy, rElec rC+}
316170 | Zig:1    | Entered Level 1 of a ziggurat
316301 | Zig:2    | Entered Level 2 of a ziggurat
316494 | Zig:2    | Identified the +0 chain mail of the World {Will+ rCorr}
316499 | Zig:3    | Entered Level 3 of a ziggurat
316499 | Zig:3    | Noticed a juggernaut
316499 | Zig:3    | Noticed a juggernaut
316499 | Zig:3    | Noticed a juggernaut
316499 | Zig:3    | Noticed a juggernaut
316499 | Zig:3    | Noticed a juggernaut
316500 | Zig:3    | Killed a juggernaut
316500 | Zig:3    | Killed a juggernaut
316500 | Zig:3    | Killed a juggernaut
316501 | Zig:3    | Killed a juggernaut
316501 | Zig:3    | Noticed a juggernaut
316501 | Zig:3    | Noticed a juggernaut
316503 | Zig:3    | Noticed a juggernaut
316504 | Zig:3    | Killed a juggernaut
316506 | Zig:3    | Killed a juggernaut
316507 | Zig:3    | Killed a juggernaut
316509 | Zig:3    | Killed a juggernaut
316651 | Zig:3    | Identified the +10 halberd "Beastbane" {heavy, Fly}
316728 | Zig:4    | Entered Level 4 of a ziggurat
316926 | Zig:4    | Identified the staff of air "Motoell" {rElec rC++ Will+++
                  | Int-3 Dex-4}
316930 | Zig:4    | Identified the +1 war axe of Nightmares {holy, rPois}
316936 | Zig:5    | Entered Level 5 of a ziggurat
316936 | Zig:5    | Noticed a dread lich
316936 | Zig:5    | Noticed an ancient lich
316936 | Zig:5    | Noticed a dread lich
316936 | Zig:5    | Noticed a dread lich
316936 | Zig:5    | Noticed a dread lich
316936 | Zig:5    | Noticed an ancient lich
316936 | Zig:5    | Noticed an ancient lich
316936 | Zig:5    | Noticed an ancient lich
316937 | Zig:5    | Killed an ancient lich
316937 | Zig:5    | Killed a dread lich
316937 | Zig:5    | Killed a dread lich
316937 | Zig:5    | Killed a dread lich
316937 | Zig:5    | Noticed an ancient lich
316938 | Zig:5    | Killed an ancient lich
316938 | Zig:5    | Killed an ancient lich
316938 | Zig:5    | Killed a dread lich
316938 | Zig:5    | Killed an ancient lich
316940 | Zig:5    | Noticed an ancient lich
316941 | Zig:5    | Killed an ancient lich
316943 | Zig:5    | Noticed an ancient lich
316944 | Zig:5    | Killed an ancient lich
316945 | Zig:5    | Killed an ancient lich
316956 | Zig:5    | Identified the staff of death "Amaloirix" {rC++ rN+}
317083 | Zig:5    | Identified the +0 plate armour "Uhar" {Will+}
317197 | Zig:6    | Entered Level 6 of a ziggurat
317200 | Zig:6    | Noticed a dread lich
317201 | Zig:6    | Noticed an ancient lich
317201 | Zig:6    | Noticed a dread lich
317202 | Zig:6    | Noticed an ancient lich
317202 | Zig:6    | Noticed a dread lich
317203 | Zig:6    | Noticed a dread lich
317203 | Zig:6    | Noticed a dread lich
317204 | Zig:6    | Noticed an ancient lich
317204 | Zig:6    | Noticed a dread lich
317206 | Zig:6    | Noticed a dread lich
317206 | Zig:6    | Killed a dread lich
317207 | Zig:6    | Killed a dread lich
317207 | Zig:6    | Killed an ancient lich
317208 | Zig:6    | Killed a dread lich
317211 | Zig:6    | Killed a dread lich
317211 | Zig:6    | Killed a dread lich
317211 | Zig:6    | Killed an ancient lich
317211 | Zig:6    | Killed a dread lich
317214 | Zig:6    | Killed a dread lich
317214 | Zig:6    | Killed an ancient lich
317423 | Zig:6    | Identified the +0 chain mail "Xagikuyj" {rN+ rCorr SInv}
317450 | Zig:6    | Identified the +0 broad axe of Autumn {spect, *Rage rN+
                  | Dex+3}
317466 | Zig:7    | Entered Level 7 of a ziggurat
317591 | Zig:7    | Identified the staff of air "Qyfroil" {rElec Int+5 Dex-2}
317597 | Zig:7    | Identified the staff of conjuration "Ellyj" {rElec Str+3
                  | SInv}
317746 | Zig:8    | Entered Level 8 of a ziggurat
317746 | Zig:8    | Noticed an ancient lich
317746 | Zig:8    | Noticed an ancient lich
317746 | Zig:8    | Noticed an ancient lich
317746 | Zig:8    | Noticed an ancient lich
317746 | Zig:8    | Noticed a dread lich
317746 | Zig:8    | Noticed a dread lich
317746 | Zig:8    | Noticed a dread lich
317746 | Zig:8    | Noticed a dread lich
317746 | Zig:8    | Noticed an ancient lich
317746 | Zig:8    | Noticed an ancient lich
317746 | Zig:8    | Noticed an ancient lich
317746 | Zig:8    | Noticed a dread lich
317746 | Zig:8    | Noticed an ancient lich
317747 | Zig:8    | Killed an ancient lich
317747 | Zig:8    | Killed an ancient lich
317747 | Zig:8    | Killed a dread lich
317747 | Zig:8    | Killed a dread lich
317747 | Zig:8    | Killed an ancient lich
317747 | Zig:8    | Killed an ancient lich
317750 | Zig:8    | Killed a dread lich
317750 | Zig:8    | Killed an ancient lich
317750 | Zig:8    | Killed a dread lich
317750 | Zig:8    | Killed an ancient lich
317750 | Zig:8    | Killed a dread lich
317750 | Zig:8    | Killed an ancient lich
317750 | Zig:8    | Noticed a dread lich
317751 | Zig:8    | Noticed an ancient lich
317751 | Zig:8    | Noticed an ancient lich
317752 | Zig:8    | Noticed a dread lich
317752 | Zig:8    | Noticed a dread lich
317752 | Zig:8    | Killed an ancient lich
317753 | Zig:8    | Noticed a dread lich
317753 | Zig:8    | Noticed an ancient lich
317754 | Zig:8    | Noticed an ancient lich
317754 | Zig:8    | Noticed an ancient lich
317755 | Zig:8    | Killed an ancient lich
317755 | Zig:8    | Killed a dread lich
317755 | Zig:8    | Killed a dread lich
317755 | Zig:8    | Killed a dread lich
317755 | Zig:8    | Killed an ancient lich
317756 | Zig:8    | Killed a dread lich
317756 | Zig:8    | Killed an ancient lich
317761 | Zig:8    | Killed an ancient lich
317761 | Zig:8    | Killed an ancient lich
317977 | Zig:8    | Identified the +1 quarterstaff "Soshisof" {flame, rF+ Str+3
                  | Dex-3}
318015 | Zig:9    | Entered Level 9 of a ziggurat
318015 | Zig:9    | Noticed a dread lich
318015 | Zig:9    | Noticed an ancient lich
318015 | Zig:9    | Noticed an ancient lich
318015 | Zig:9    | Noticed an ancient lich
318015 | Zig:9    | Noticed an ancient lich
318015 | Zig:9    | Noticed an ancient lich
318015 | Zig:9    | Noticed a dread lich
318015 | Zig:9    | Noticed a dread lich
318015 | Zig:9    | Noticed a dread lich
318015 | Zig:9    | Noticed a dread lich
318016 | Zig:9    | Killed an ancient lich
318016 | Zig:9    | Killed an ancient lich
318016 | Zig:9    | Killed an ancient lich
318016 | Zig:9    | Killed a dread lich
318016 | Zig:9    | Killed an ancient lich
318016 | Zig:9    | Killed an ancient lich
318016 | Zig:9    | Killed a dread lich
318016 | Zig:9    | Killed a dread lich
318017 | Zig:9    | Killed a dread lich
318017 | Zig:9    | Killed a dread lich
318017 | Zig:9    | Noticed an ancient lich
318018 | Zig:9    | Noticed a dread lich
318019 | Zig:9    | Noticed a dread lich
318020 | Zig:9    | Noticed a dread lich
318020 | Zig:9    | Noticed an ancient lich
318021 | Zig:9    | Noticed an ancient lich
318021 | Zig:9    | Noticed an ancient lich
318023 | Zig:9    | Killed an ancient lich
318024 | Zig:9    | Noticed a dread lich
318024 | Zig:9    | Noticed a dread lich
318024 | Zig:9    | Noticed a dread lich
318024 | Zig:9    | Killed a dread lich
318027 | Zig:9    | Killed an ancient lich
318027 | Zig:9    | Killed a dread lich
318027 | Zig:9    | Killed an ancient lich
318027 | Zig:9    | Killed a dread lich
318027 | Zig:9    | Killed a dread lich
318027 | Zig:9    | Killed a dread lich
318027 | Zig:9    | Killed an ancient lich
318028 | Zig:9    | Killed a dread lich
318156 | Zig:9    | Identified the ring "Setimint" {rElec rC+ rCorr EV+5}
318345 | Zig:10   | Entered Level 10 of a ziggurat
318345 | Zig:10   | Noticed an ancient lich
318345 | Zig:10   | Noticed an ancient lich
318345 | Zig:10   | Noticed an ancient lich
318345 | Zig:10   | Noticed a dread lich
318345 | Zig:10   | Noticed a dread lich
318345 | Zig:10   | Noticed an ancient lich
318345 | Zig:10   | Noticed a dread lich
318345 | Zig:10   | Noticed an ancient lich
318345 | Zig:10   | Noticed an ancient lich
318345 | Zig:10   | Noticed a dread lich
318345 | Zig:10   | Noticed an ancient lich
318345 | Zig:10   | Noticed an ancient lich
318345 | Zig:10   | Noticed a dread lich
318345 | Zig:10   | Noticed a dread lich
318345 | Zig:10   | Noticed a dread lich
318345 | Zig:10   | Noticed a dread lich
318346 | Zig:10   | Killed a dread lich
318346 | Zig:10   | Killed an ancient lich
318346 | Zig:10   | Killed an ancient lich
318346 | Zig:10   | Killed a dread lich
318346 | Zig:10   | Killed an ancient lich
318346 | Zig:10   | Killed an ancient lich
318346 | Zig:10   | Killed a dread lich
318346 | Zig:10   | Killed an ancient lich
318346 | Zig:10   | Killed an ancient lich
318346 | Zig:10   | Killed a dread lich
318346 | Zig:10   | Killed a dread lich
318347 | Zig:10   | Killed a dread lich
318347 | Zig:10   | Killed a dread lich
318347 | Zig:10   | Killed a dread lich
318347 | Zig:10   | Killed an ancient lich
318347 | Zig:10   | Killed an ancient lich
318347 | Zig:10   | Noticed an ancient lich
318348 | Zig:10   | Noticed a dread lich
318349 | Zig:10   | Noticed a dread lich
318349 | Zig:10   | Noticed an ancient lich
318349 | Zig:10   | Noticed an ancient lich
318350 | Zig:10   | Noticed a dread lich
318350 | Zig:10   | Noticed an ancient lich
318351 | Zig:10   | Noticed an ancient lich
318352 | Zig:10   | Noticed an ancient lich
318352 | Zig:10   | Noticed an ancient lich
318352 | Zig:10   | Noticed a dread lich
318352 | Zig:10   | Killed an ancient lich
318352 | Zig:10   | Killed a dread lich
318353 | Zig:10   | Noticed a dread lich
318353 | Zig:10   | Noticed an ancient lich
318353 | Zig:10   | Killed an ancient lich
318355 | Zig:10   | Killed a dread lich
318355 | Zig:10   | Killed a dread lich
318355 | Zig:10   | Killed an ancient lich
318355 | Zig:10   | Killed an ancient lich
318356 | Zig:10   | Noticed a dread lich
318356 | Zig:10   | Noticed an ancient lich
318356 | Zig:10   | Noticed a dread lich
318357 | Zig:10   | Noticed a dread lich
318359 | Zig:10   | Killed an ancient lich
318359 | Zig:10   | Killed a dread lich
318359 | Zig:10   | Killed an ancient lich
318360 | Zig:10   | Killed a dread lich
318360 | Zig:10   | Killed a dread lich
318360 | Zig:10   | Killed a dread lich
318360 | Zig:10   | Killed an ancient lich
318360 | Zig:10   | Killed an ancient lich
318360 | Zig:10   | Killed an ancient lich
318360 | Zig:10   | Killed a dread lich
318557 | Zig:10   | Identified the +6 mace of Fragile Peace {heavy, Str+2
                  | Int+6}
318561 | Zig:10   | Identified the +7 hand axe "Gohaz" {antimagic, rElec Will-
                  | Str+8 Stlth-}
318565 | Zig:10   | Identified the ring "Mykent" {rPois Int-4 Dex+2 Slay+2
                  | SInv}
318641 | Zig:10   | Identified the +3 scale mail of Insatiable Hunger {rElec
                  | rF++ Regen+ Dex-4}
318648 | Zig:10   | Identified the ring "Xyihair" {rC+ rN+ MP+9 Int+3}
318653 | Zig:10   | Identified the +5 dagger of Citogiw {freeze, Will+}
318671 | Zig:11   | Entered Level 11 of a ziggurat
318790 | Zig:11   | Identified the amulet "Faghiy" {Acrobat rPois rC+ Will+}
318791 | Zig:11   | Identified the +0 trident of the Hawk {venom, rF+ rC+
                  | Will++ Int-2}
318806 | Zig:11   | Identified the staff of fire "Huipum" {rPois rF+ MP-9 Dex+7
                  | SInv}
318815 | Zig:11   | Identified the ring of Xom's Amusement {Ice *Slow rCorr
                  | Dex+4}
318819 | Zig:11   | Identified the staff of air "Toecisad" {rElec Str-4 Dex+9}
318823 | Zig:11   | Identified the staff of conjuration "Dosse" {rN+ Str+5}
318827 | Zig:11   | Identified the +0 pair of boots of the Shining Light
                  | {Dex+2}
318831 | Zig:11   | Identified the staff of conjuration "Zelib" {rN+}
318879 | Zig:11   | Identified the +5 scale mail "Hivu Sou" {rPois rCorr
                  | Stlth+}
319073 | Zig:12   | Entered Level 12 of a ziggurat
319073 | Zig:12   | Noticed a juggernaut
319073 | Zig:12   | Noticed a juggernaut
319073 | Zig:12   | Noticed a juggernaut
319073 | Zig:12   | Noticed a juggernaut
319074 | Zig:12   | Killed a juggernaut
319074 | Zig:12   | Killed a juggernaut
319074 | Zig:12   | Killed a juggernaut
319074 | Zig:12   | Killed a juggernaut
319075 | Zig:12   | Noticed a juggernaut
319077 | Zig:12   | Noticed a juggernaut
319078 | Zig:12   | Noticed a juggernaut
319079 | Zig:12   | Killed a juggernaut
319079 | Zig:12   | Killed a juggernaut
319080 | Zig:12   | Killed a juggernaut
319082 | Zig:12   | Noticed a juggernaut
319082 | Zig:12   | Noticed a juggernaut
319082 | Zig:12   | Noticed a juggernaut
319084 | Zig:12   | Noticed a juggernaut
319086 | Zig:12   | Killed a juggernaut
319086 | Zig:12   | Killed a juggernaut
319086 | Zig:12   | Killed a juggernaut
319088 | Zig:12   | Killed a juggernaut
319401 | Zig:12   | Identified the +4 chain mail of Proximity {Rampage Will+
                  | MP+9}
319403 | Zig:12   | Identified the ring of Qusywnetu {rF+ Int+5}
319421 | Zig:12   | Identified the ring of Humeeqiph {rN+ Dex+4}
319423 | Zig:12   | Identified the staff of conjuration "Yheihisk" {Dex+5 SInv}
319447 | Zig:12   | Identified the ring "Aseo" {rPois rC+ rN+ rCorr Stlth+}
319451 | Zig:12   | Identified the staff of earth "Fitytog" {rC+ Str+3 Dex+2}
319464 | Zig:13   | Entered Level 13 of a ziggurat
319485 | Zig:13   | Identified the ring of Doaroerr {rPois rF+ Str+6 Int-3
                  | Dex+3}
319602 | Zig:13   | Identified the ring of Immorality {rElec rC+++ AC+4 Slay-3}
319643 | Zig:13   | Identified the amulet of the Unstoppable Bones {Reflect
                  | MP+9 Str-4 Dex+4 SH+5}
319647 | Zig:13   | Identified the staff of cold "Xuiryogg" {rPois rC+}
319655 | Zig:13   | Identified the +17 plate armour "Anuacku" {Will+}
319903 | Zig:14   | Entered Level 14 of a ziggurat
320007 | Zig:14   | Identified the staff of conjuration "Hitaeluj" {Str+3 Dex+2
                  | Stlth-}
320186 | Zig:14   | Identified the staff of cold "Powneajo" {*Corrode Fly rC+
                  | Dex-4 SInv}
320190 | Zig:14   | Identified the +1 robe of Resonance {rElec rF- Will+ Str+3}
320215 | Zig:14   | Identified the staff of conjuration "Qasm" {Fly rPois}
320226 | Zig:14   | Identified the +3 rapier of Omumnef {flame, Fly rN+}
320236 | Zig:14   | Identified the staff of cold "Bifuck" {rC+ Will+ Str+8
                  | Int-3 Dex+5}
320237 | Zig:14   | Identified the +10 demon whip of Instinct {vamp, Str+4}
320267 | Zig:14   | Identified the ring "Otzokh" {Wiz Int+2 SInv}
320268 | Zig:14   | Identified the +1 plate armour of Suqen {rPois Slay+2}
320269 | Zig:14   | Identified the +1 falchion of Profit {elec, rF- rC+ Str+3}
320317 | Zig:15   | Entered Level 15 of a ziggurat
320455 | Zig:15   | Identified the +1 war axe "Ziuschaig" {speed, rN+ Stlth+}
320456 | Zig:15   | Identified the staff of earth "Huipsek" {+Blink rElec rC+
                  | rN+}
320468 | Zig:15   | Identified the +3 broad axe of the Dancing Enemy {flame,
                  | *Slow rPois Will+ Int+2}
320542 | Zig:15   | Identified the ring "Lystreygh" {rF+ Dex+3}
320546 | Zig:15   | Identified the +7 dagger of the Wraith {venom, Will+}
320760 | Zig:16   | Entered Level 16 of a ziggurat
320781 | Zig:16   | Identified the +5 scale mail of the Lachrymose God
                  | {Rampage}
321130 | Zig:16   | Identified the +2 flail of Big Damage {protect, +Blink}
321134 | Zig:16   | Identified the +11 short sword of Bedwin {heavy, Drain
                  | rPois rC+ rCorr Str-4}
321141 | Zig:16   | Identified the +7 dagger of Conformity {heavy, Int-5 Dex+3
                  | SInv}
321143 | Zig:16   | Identified the +1 chain mail "Tentomug" {rC+ Str+2 Int+2}
321151 | Zig:16   | Identified the +11 battleaxe of Obsession {venom, rElec rF-
                  | Dex+3}
321153 | Zig:16   | Identified the +1 pair of gloves of Jibb {Rampage}
321200 | Zig:16   | Identified the +10 plate armour of Ykidunoj {rC+ Str-2
                  | Int+7 Dex-4}
321202 | Zig:16   | Identified the staff of poison "Dadiety" {rPois rF+}
321236 | Zig:17   | Entered Level 17 of a ziggurat
321242 | Zig:17   | Paralysed by a wendigo for 1 turns
321336 | Zig:17   | Acquired 1269 gold pieces
321339 | Zig:17   | Identified the +5 shortbow "Iheplung" {elec, rF+ Str+2
                  | Dex+2}
321366 | Zig:17   | Identified the +0 ice dragon scales "Naereito" {rF- rC++
                  | Str+6}
321699 | Zig:18   | Entered Level 18 of a ziggurat
321707 | Zig:18   | Noticed an ancient lich
321711 | Zig:18   | Killed an ancient lich
322168 | Zig:18   | Identified the staff of air "Jiuc" {rElec rN+ Str-4 Int+5}
322169 | Zig:18   | Identified the +12 short sword "Taynej" {flame, rPois
                  | Dex+3}
322174 | Zig:18   | Identified the +0 cloak of Pride {Fly rPois rF+ Stlth-}
322177 | Zig:18   | Identified the staff of fire "Deyti" {rF+ rCorr SInv}
322269 | Zig:19   | Entered Level 19 of a ziggurat
322532 | Zig:19   | Identified the staff of air "Oshaqag" {rElec Str+3 Stlth+}
322539 | Zig:19   | Acquired 1021 gold pieces
322544 | Zig:19   | Identified the ring "Dedaqeff" {rF+ rC+ Int+6}
322547 | Zig:19   | Identified the +11 shortbow of Tumult {elec, Dex+3}
322552 | Zig:19   | Identified the +0 mace "Atecsocs" {flame, Int+3}
322565 | Zig:19   | Identified the staff of air "Fuikoisch" {Fragile rElec
                  | Str+7}
322566 | Zig:19   | Identified the +0 bardiche "Nuta" {antimagic, rN+}
322572 | Zig:19   | Identified the amulet of the Solstice {rC+ Will++ Regen+
                  | Str+6}
322806 | Zig:20   | Entered Level 20 of a ziggurat
323284 | Zig:20   | Identified the +7 chain mail of Sommodgh {rN+ Regen+ Dex+3
                  | Stlth+}
323302 | Zig:20   | Identified the +5 scale mail of Immorality {Str+3 Int+3
                  | Dex+3}
323326 | Zig:20   | Identified the staff of air "Oxaw" {rElec rCorr}
323347 | Zig:20   | Identified the +8 hand axe "Saedulohiz" {speed, Stlth+}
323367 | Zig:20   | Identified the +10 broad axe "Hocoicoipu" {spect, SInv}
323377 | Zig:20   | Identified the +0 leather armour of Going Fast {Rampage}
323381 | Zig:20   | Identified the ring "Muikh" {+Blink rF+ rC+ MP+9 Int-5}
323394 | Zig:20   | Identified the +0 cloak "Qyfilug" {rPois rCorr Stlth+}
323428 | Zig:21   | Entered Level 21 of a ziggurat
323444 | Zig:21   | Noticed a dread lich
323454 | Zig:21   | Killed a dread lich
323462 | Zig:21   | Identified the ring of Rishivec {rC- rN+ rCorr Str-3 Dex+7}
323464 | Zig:21   | Identified the ring "Faizei" {rF++ rC+++ Will- MP+9 Int-3}
323540 | Zig:21   | Acquired 816 gold pieces
323549 | Zig:21   | Identified the ring of Wu Jian, Hugging {rF++ EV+5}
323581 | Zig:21   | Identified the +8 dagger of Grandeur {drain, rF+ rCorr
                  | MP+9}
323582 | Zig:21   | Identified the +0 chain mail of Ihezo {+Blink Int+2 Stlth+}
323595 | Zig:21   | Identified the +0 robe of Fedhas's Grace {rF+ Int+3}
323599 | Zig:21   | Identified the +0 pair of gloves of the Serpent {rN+}
323601 | Zig:21   | Identified the -1 pair of gloves of the Hairy God {rC+
                  | Will- Dex+4}
323610 | Zig:21   | Identified the +0 leather armour of Koceysapt {rF+ Int-4
                  | Dex+3}
323611 | Zig:21   | Identified the +4 lajatang "Widowermaker" {heavy, rF+ rN+}
323612 | Zig:21   | Identified the +1 robe of Datucuc {Dex+2}
323628 | Zig:21   | Identified the staff of earth "Rukise" {rCorr Str+3}
323634 | Zig:21   | Identified the +11 plate armour of Limited Liability
                  | {Str+2}
323646 | Zig:21   | Identified the staff of cold "Tucvykh" {rPois rC+ Will+}
323656 | Zig:21   | Identified the staff of earth "Wapnilodgh" {rF++ rN+
                  | Stlth-}
323663 | Zig:21   | Identified the +7 eveningstar of Mayhem {antimagic, Str+3}
323665 | Zig:21   | Identified the staff of poison "Afiashra" {rPois Will+
                  | Str+3 Int+3 Dex+3}
323780 | Zig:21   | Identified the staff of fire "Enaps" {rF+ rC+ rN++ Str-4
                  | Dex+2}
323784 | Zig:21   | Identified the +4 bardiche "Sukuot" {flame, rF+ rN+}
324112 | Zig:22   | Entered Level 22 of a ziggurat
324138 | Zig:22   | Identified the ring "Yteokios" {rF- MP+9 Str+6 Int+3}
324147 | Zig:22   | Identified the +8 scimitar of Fee Simple {heavy, rElec
                  | Dex+3}
324155 | Zig:22   | Identified the staff of conjuration "Xukkacsi" {Will+++}
324159 | Zig:22   | Identified the +10 short sword of the Pill Bug {freeze,
                  | *Corrode rElec rPois Str+2 Dex+5}
324231 | Zig:22   | Identified the +0 pair of boots of Slovenliness {rN+}
324595 | Zig:22   | Identified the +9 spear "Wuofrol" {distort, Will+ Int+5}
324597 | Zig:22   | Identified the staff of death "Giphit" {rN+ Str+4 Stlth-}
324603 | Zig:22   | Identified the ring of the Equinox {rF++ AC+4 Slay-5}
324631 | Zig:22   | Identified the +1 plate armour of Nuinad {Will+ MP-9 Int+6}
324649 | Zig:22   | Identified the staff of conjuration "Lena" {rPois rC++
                  | Will+ Str+3}
324659 | Zig:22   | Identified the +0 plate armour of Misanthropy {rPois Str-2
                  | Int+3}
324681 | Zig:22   | Identified the +2 spear "Giantslayer" {venom, rC- rN++
                  | Str+3}
324717 | Zig:22   | Identified the staff of earth "Lorot" {rPois Str-2 SInv
                  | Stlth+}
324721 | Zig:22   | Identified the amulet of Kairghiogg {Acrobat rN+}
324804 | Zig:23   | Entered Level 23 of a ziggurat
324804 | Zig:23   | Noticed a royal mummy
324804 | Zig:23   | Noticed a royal mummy
324804 | Zig:23   | Noticed a royal mummy
324804 | Zig:23   | Noticed a royal mummy
324804 | Zig:23   | Noticed a royal mummy
324804 | Zig:23   | Noticed a royal mummy
324804 | Zig:23   | Noticed a royal mummy
324804 | Zig:23   | Noticed a royal mummy
324804 | Zig:23   | Noticed a royal mummy
324804 | Zig:23   | Noticed a royal mummy
324804 | Zig:23   | Noticed a royal mummy
324804 | Zig:23   | Noticed a royal mummy
324804 | Zig:23   | Noticed a royal mummy
324804 | Zig:23   | Noticed a royal mummy
324805 | Zig:23   | Killed a royal mummy
324805 | Zig:23   | Killed a royal mummy
324805 | Zig:23   | Killed a royal mummy
324805 | Zig:23   | Killed a royal mummy
324805 | Zig:23   | Killed a royal mummy
324805 | Zig:23   | Killed a royal mummy
324805 | Zig:23   | Killed a royal mummy
324805 | Zig:23   | Killed a royal mummy
324805 | Zig:23   | Killed a royal mummy
324805 | Zig:23   | Killed a royal mummy
324805 | Zig:23   | Killed a royal mummy
324806 | Zig:23   | Noticed a royal mummy
324806 | Zig:23   | Noticed a royal mummy
324807 | Zig:23   | Noticed a royal mummy
324808 | Zig:23   | Noticed a royal mummy
324808 | Zig:23   | Noticed a royal mummy
324809 | Zig:23   | Noticed a royal mummy
324809 | Zig:23   | Killed a royal mummy
324809 | Zig:23   | Killed a royal mummy
324809 | Zig:23   | Noticed a royal mummy
324810 | Zig:23   | Killed a royal mummy
324810 | Zig:23   | Killed a royal mummy
324810 | Zig:23   | Killed a royal mummy
324810 | Zig:23   | Killed a royal mummy
324810 | Zig:23   | Killed a royal mummy
324810 | Zig:23   | Killed a royal mummy
324810 | Zig:23   | Noticed a royal mummy
324811 | Zig:23   | Noticed a royal mummy
324811 | Zig:23   | Killed a royal mummy
324811 | Zig:23   | Killed a royal mummy
324812 | Zig:23   | Noticed a royal mummy
324812 | Zig:23   | Noticed a royal mummy
324815 | Zig:23   | Killed a royal mummy
324815 | Zig:23   | Killed a royal mummy
324815 | Zig:23   | Killed a royal mummy
324817 | Zig:23   | Noticed a royal mummy
324817 | Zig:23   | Noticed a royal mummy
324817 | Zig:23   | Noticed a royal mummy
324817 | Zig:23   | Noticed a royal mummy
324817 | Zig:23   | Noticed a royal mummy
324817 | Zig:23   | Noticed a royal mummy
324817 | Zig:23   | Noticed a royal mummy
324817 | Zig:23   | Noticed a royal mummy
324818 | Zig:23   | Killed a royal mummy
324818 | Zig:23   | Noticed a royal mummy
324819 | Zig:23   | Noticed a royal mummy
324819 | Zig:23   | Noticed a royal mummy
324820 | Zig:23   | Noticed a royal mummy
324820 | Zig:23   | Noticed a royal mummy
324821 | Zig:23   | Noticed a royal mummy
324821 | Zig:23   | Noticed a royal mummy
324821 | Zig:23   | Killed a royal mummy
324821 | Zig:23   | Killed a royal mummy
324821 | Zig:23   | Noticed a royal mummy
324822 | Zig:23   | Noticed a royal mummy
324822 | Zig:23   | Killed a royal mummy
324822 | Zig:23   | Noticed a royal mummy
324823 | Zig:23   | Killed a royal mummy
324823 | Zig:23   | Killed a royal mummy
324823 | Zig:23   | Killed a royal mummy
324823 | Zig:23   | Killed a royal mummy
324823 | Zig:23   | Killed a royal mummy
324823 | Zig:23   | Killed a royal mummy
324823 | Zig:23   | Killed a royal mummy
324823 | Zig:23   | Killed a royal mummy
324823 | Zig:23   | Noticed a royal mummy
324824 | Zig:23   | Noticed a royal mummy
324825 | Zig:23   | Noticed a royal mummy
324825 | Zig:23   | Noticed a royal mummy
324825 | Zig:23   | Noticed a royal mummy
324825 | Zig:23   | Noticed a royal mummy
324826 | Zig:23   | Noticed a royal mummy
324826 | Zig:23   | Noticed a royal mummy
324827 | Zig:23   | Noticed a royal mummy
324828 | Zig:23   | Killed a royal mummy
324828 | Zig:23   | Killed a royal mummy
324828 | Zig:23   | Killed a royal mummy
324828 | Zig:23   | Killed a royal mummy
324828 | Zig:23   | Killed a royal mummy
324828 | Zig:23   | Killed a royal mummy
324828 | Zig:23   | Killed a royal mummy
324828 | Zig:23   | Killed a royal mummy
324828 | Zig:23   | Killed a royal mummy
324828 | Zig:23   | Killed a royal mummy
324831 | Zig:23   | Killed a royal mummy
324831 | Zig:23   | Killed a royal mummy
324832 | Zig:23   | Killed a royal mummy
324833 | Zig:23   | Killed a royal mummy
324833 | Zig:23   | Killed a royal mummy
324833 | Zig:23   | Killed a royal mummy
325042 | Zig:23   | Identified the +4 quarterstaff of Solemn Tenacity {drain,
                  | +Blink rElec rPois Str-2}
325045 | Zig:23   | Identified the staff of fire "Ogahog" {Fragile rF+ rC+
                  | Int+3 Dex+7}
325052 | Zig:23   | Identified the staff of conjuration "Vozalyt" {Str+4 Int+5
                  | Dex-4}
325093 | Zig:23   | Identified the staff of cold "Porasiud" {*Corrode rElec rC+
                  | rN+++ Will+++}
325103 | Zig:23   | Identified the ring "Uwnoarphe" {rElec rC- Int+4 SInv}
325119 | Zig:23   | Identified the amulet of the Catfish {Faith rF+ rN+ SInv
                  | Stlth-}
325121 | Zig:23   | Identified the ring "Tuatiuz" {rPois rF+++ rC- rCorr
                  | Stlth-}
325122 | Zig:23   | Identified the +0 arbalest "Afficson" {penet, SInv}
325126 | Zig:23   | Identified the +0 robe of Yshraeq {rC+ rN+ Int+3}
325127 | Zig:23   | Identified the staff of conjuration "Poqaig Daapt" {rN+
                  | Stlth+}
325128 | Zig:23   | Identified the +3 dagger "Mapyej" {flame, rElec rF+ Int+6}
325131 | Zig:23   | Identified the +10 flail of the Seven Tusks {heavy, rCorr
                  | Str+2}
325135 | Zig:23   | Identified the +1 scale mail of Dazux {rC- rN+ Regen+}
325137 | Zig:23   | Identified the +6 ring mail of Fashionability {Rampage
                  | Int-4 Dex+4}
325150 | Zig:23   | Identified the +9 crystal plate armour of Jihamul {rPois
                  | Dex+5}
325157 | Zig:23   | Identified the ring "Zicurhec" {Ice Fly Int-3 Dex+6}
325470 | Zig:24   | Entered Level 24 of a ziggurat
325947 | Zig:24   | Identified the ring "Hilly" {rElec rPois Str+4 Slay-6 SInv}
325948 | Zig:24   | Identified the +0 hand axe of Desertification {venom, rElec
                  | MP+9 Dex+4}
325958 | Zig:24   | Identified the +5 dagger of the Magi {drain, rF+ rCorr
                  | Str-2}
325972 | Zig:24   | Identified the +3 scale mail of the Garden {Will+}
325995 | Zig:24   | Identified the +0 dagger of Zuakokhla {drain, Int+2 Dex+5
                  | Stlth+}
326149 | Zig:24   | Identified the +6 plate armour of the Tuna {Str+3}
326150 | Zig:24   | Identified the staff of poison "Zoufyade" {*Slow rPois
                  | Str+5}
326151 | Zig:24   | Identified the +4 sling of Infinity {speed, Fragile rPois
                  | Dex+2}
326200 | Zig:25   | Entered Level 25 of a ziggurat
326200 | Zig:25   | Noticed a royal mummy
326200 | Zig:25   | Noticed a royal mummy
326200 | Zig:25   | Noticed a royal mummy
326200 | Zig:25   | Noticed a royal mummy
326200 | Zig:25   | Noticed a royal mummy
326200 | Zig:25   | Noticed a royal mummy
326200 | Zig:25   | Noticed a royal mummy
326200 | Zig:25   | Noticed a royal mummy
326200 | Zig:25   | Noticed a royal mummy
326200 | Zig:25   | Noticed a royal mummy
326200 | Zig:25   | Noticed a royal mummy
326200 | Zig:25   | Noticed a royal mummy
326200 | Zig:25   | Noticed a royal mummy
326200 | Zig:25   | Noticed a royal mummy
326201 | Zig:25   | Killed a royal mummy
326201 | Zig:25   | Killed a royal mummy
326201 | Zig:25   | Killed a royal mummy
326201 | Zig:25   | Killed a royal mummy
326201 | Zig:25   | Killed a royal mummy
326201 | Zig:25   | Killed a royal mummy
326201 | Zig:25   | Killed a royal mummy
326201 | Zig:25   | Killed a royal mummy
326201 | Zig:25   | Killed a royal mummy
326201 | Zig:25   | Killed a royal mummy
326201 | Zig:25   | Killed a royal mummy
326201 | Zig:25   | Killed a royal mummy
326201 | Zig:25   | Killed a royal mummy
326202 | Zig:25   | Noticed a royal mummy
326202 | Zig:25   | Noticed a royal mummy
326202 | Zig:25   | Noticed a royal mummy
326204 | Zig:25   | Noticed a royal mummy
326206 | Zig:25   | Killed a royal mummy
326206 | Zig:25   | Killed a royal mummy
326206 | Zig:25   | Killed a royal mummy
326206 | Zig:25   | Killed a royal mummy
326207 | Zig:25   | Noticed a royal mummy
326207 | Zig:25   | Noticed a royal mummy
326207 | Zig:25   | Noticed a royal mummy
326207 | Zig:25   | Noticed a royal mummy
326208 | Zig:25   | Noticed a royal mummy
326208 | Zig:25   | Noticed a royal mummy
326208 | Zig:25   | Noticed a royal mummy
326208 | Zig:25   | Noticed a royal mummy
326208 | Zig:25   | Noticed a royal mummy
326209 | Zig:25   | Noticed a royal mummy
326209 | Zig:25   | Noticed a royal mummy
326209 | Zig:25   | Noticed a royal mummy
326210 | Zig:25   | Noticed a royal mummy
326211 | Zig:25   | Killed a royal mummy
326211 | Zig:25   | Killed a royal mummy
326211 | Zig:25   | Killed a royal mummy
326211 | Zig:25   | Killed a royal mummy
326211 | Zig:25   | Killed a royal mummy
326211 | Zig:25   | Killed a royal mummy
326211 | Zig:25   | Killed a royal mummy
326211 | Zig:25   | Killed a royal mummy
326211 | Zig:25   | Killed a royal mummy
326211 | Zig:25   | Killed a royal mummy
326211 | Zig:25   | Killed a royal mummy
326211 | Zig:25   | Noticed a royal mummy
326211 | Zig:25   | Noticed a royal mummy
326212 | Zig:25   | Killed a royal mummy
326212 | Zig:25   | Killed a royal mummy
326212 | Zig:25   | Killed a royal mummy
326212 | Zig:25   | Noticed a royal mummy
326213 | Zig:25   | Noticed a royal mummy
326214 | Zig:25   | Noticed a royal mummy
326215 | Zig:25   | Noticed a royal mummy
326215 | Zig:25   | Noticed a royal mummy
326215 | Zig:25   | Noticed a royal mummy
326215 | Zig:25   | Noticed a royal mummy
326216 | Zig:25   | Noticed a royal mummy
326216 | Zig:25   | Killed a royal mummy
326216 | Zig:25   | Noticed a royal mummy
326217 | Zig:25   | Noticed a dread lich
326217 | Zig:25   | Noticed a royal mummy
326218 | Zig:25   | Noticed a royal mummy
326218 | Zig:25   | Killed a royal mummy
326218 | Zig:25   | Killed a royal mummy
326219 | Zig:25   | Noticed a royal mummy
326220 | Zig:25   | Noticed a royal mummy
326220 | Zig:25   | Noticed a royal mummy
326220 | Zig:25   | Noticed a royal mummy
326221 | Zig:25   | Noticed a royal mummy
326221 | Zig:25   | Noticed a royal mummy
326222 | Zig:25   | Killed a royal mummy
326222 | Zig:25   | Killed a royal mummy
326222 | Zig:25   | Killed a royal mummy
326222 | Zig:25   | Killed a royal mummy
326222 | Zig:25   | Killed a royal mummy
326222 | Zig:25   | Killed a royal mummy
326222 | Zig:25   | Killed a royal mummy
326222 | Zig:25   | Killed a royal mummy
326222 | Zig:25   | Killed a royal mummy
326223 | Zig:25   | Noticed a royal mummy
326224 | Zig:25   | Noticed a royal mummy
326224 | Zig:25   | Noticed a royal mummy
326224 | Zig:25   | Noticed a royal mummy
326225 | Zig:25   | Noticed a royal mummy
326225 | Zig:25   | Killed a royal mummy
326225 | Zig:25   | Killed a royal mummy
326226 | Zig:25   | Killed a royal mummy
326226 | Zig:25   | Killed a royal mummy
326229 | Zig:25   | Killed a royal mummy
326229 | Zig:25   | Killed a royal mummy
326229 | Zig:25   | Killed a royal mummy
326229 | Zig:25   | Killed a royal mummy
326230 | Zig:25   | Killed a royal mummy
326235 | Zig:25   | Killed a dread lich
326236 | Zig:25   | Killed a royal mummy
326236 | Zig:25   | Killed a royal mummy
326236 | Zig:25   | Killed a royal mummy
326331 | Zig:25   | Identified the +1 quick blade "Ococizunn" {flame, rPois
                  | Stlth+}
326335 | Zig:25   | Identified the +1 rapier "Xoymotz" {speed, rCorr Int+9
                  | Stlth-}
326339 | Zig:25   | Identified the ring of the Original Sin {rPois AC+4}
326367 | Zig:25   | Identified the staff of fire "Goteq" {rF+ SInv}
326371 | Zig:25   | Identified the +1 great sword "Emeecinu" {speed, Will+
                  | Dex+3}
326403 | Zig:25   | Identified the +5 arbalest of Bodily Humours {flame, Int+2}
326406 | Zig:25   | Identified the ring "Ceazih" {Fly SInv Stlth+}
326410 | Zig:25   | Identified the ring of Pezxo {rF+ EV+5 Str+4 SInv}
326412 | Zig:25   | Identified the +0 troll leather armour of Zin's Outrage
                  | {Harm Regen+}
326415 | Zig:25   | Identified the +2 mace "Piutrah" {venom, Fragile rCorr
                  | SInv}
326915 | Zig:26   | Entered Level 26 of a ziggurat
326949 | Zig:26   | Identified the +1 scimitar "Ceich" {pain, Will+ Str+3
                  | Int+4}
327558 | Zig:26   | Identified the staff of fire "Lirairr" {rF+ rN+ Str+4
                  | Dex+3}
327565 | Zig:26   | Identified the +9 long sword "Ocaih" {venom, Fly rPois
                  | Will- Dex+3}
327624 | Zig:26   | Identified the staff of death "Guorch" {Fragile rPois rC++
                  | rN+ rCorr}
327647 | Zig:26   | Identified the staff of death "Peeshuemn" {rC+ rN+}
327665 | Zig:26   | Identified the +2 scimitar "Otinn" {freeze, rPois Int+6
                  | Dex-4}
327688 | Zig:26   | Identified the +0 leather armour "Cudghac" {Harm}
327704 | Zig:26   | Identified the +5 rapier "Weumuugo" {elec, Dex+6}
327724 | Zig:26   | Identified the +1 sling "Itzijoth" {elec, Dex+2}
327725 | Zig:26   | Identified the +2 war axe "Calaggo" {distort, rElec rPois
                  | rC+}
327734 | Zig:26   | Identified the staff of death "Pufen" {rElec rF+ rN+}
327752 | Zig:27   | Entered Level 27 of a ziggurat
327752 | Zig:27   | Noticed grandjackal's ghost (legendary DsGl)
327752 | Zig:27   | Noticed runemage's ghost (legendary GnFi)
327752 | Zig:27   | Noticed Fusentrap's ghost (legendary MiBe)
327752 | Zig:27   | Noticed swap's ghost (legendary DEFE)
327752 | Zig:27   | Noticed deprived's ghost (legendary HOFi)
327752 | Zig:27   | Noticed Hewasun's ghost (legendary MiBe)
327752 | Zig:27   | Noticed Xocw's ghost (legendary GrMo)
327752 | Zig:27   | Noticed Hillam's ghost (legendary DsTm)
327752 | Zig:27   | Noticed Rueful's ghost (legendary TrWr)
327752 | Zig:27   | Noticed frimble's ghost (legendary DsFi)
327752 | Zig:27   | Noticed Polaczum's ghost (adept TrMo)
327752 | Zig:27   | Noticed Saphesar's ghost (veteran DsFi)
327752 | Zig:27   | Noticed Xutext's ghost (adept DsAK)
327752 | Zig:27   | Noticed Giojuova's ghost (legendary GnBe)
327752 | Zig:27   | Noticed Kufiz's ghost (master GrCK)
327752 | Zig:27   | Noticed Xuqyot's ghost (legendary DsFi)
327752 | Zig:27   | Noticed meatyocre's ghost (veteran TrFi)
327752 | Zig:27   | Noticed astronautguy's ghost (legendary FoEE)
327752 | Zig:27   | Noticed Ebassic's ghost (veteran GrFi)
327752 | Zig:27   | Noticed SevenDeadlySins's ghost (legendary DrCj)
327752 | Zig:27   | Noticed deprived's ghost (legendary HOFi)
327752 | Zig:27   | Noticed SevenDeadlySins's ghost (legendary DrCj)
327752 | Zig:27   | Noticed scarywalker64's ghost (legendary GrEE)
327752 | Zig:27   | Noticed Manman's ghost (legendary HOGl)
327752 | Zig:27   | Noticed xzight's ghost (legendary MiBe)
327752 | Zig:27   | Noticed Qatinlae's ghost (veteran DEFE)
327752 | Zig:27   | Noticed Uhosoup's ghost (veteran GrFi)
327752 | Zig:27   | Noticed lmSkywalker's ghost (adept DrTm)
327752 | Zig:27   | Noticed WiseOSalty's ghost (legendary TrGl)
327752 | Zig:27   | Noticed Saphesar's ghost (veteran DsFi)
327752 | Zig:27   | Noticed sleeves's ghost (legendary DsFi)
327752 | Zig:27   | Noticed Veodywke's ghost (legendary MiBe)
327752 | Zig:27   | Noticed Marixus's ghost (legendary DDFi)
327752 | Zig:27   | Noticed Kucykkydd's ghost (legendary MiFi)
327752 | Zig:27   | Noticed Viugiw's ghost (legendary TeBe)
327752 | Zig:27   | Noticed Godueg's ghost (veteran HOFi)
327752 | Zig:27   | Noticed xzight's ghost (legendary MiBe)
327752 | Zig:27   | Noticed Veodywke's ghost (legendary MiBe)
327752 | Zig:27   | Noticed Xorhowon's ghost (legendary MiBe)
327752 | Zig:27   | Noticed Zachydoop's ghost (veteran MiMo)
327752 | Zig:27   | Noticed corvin's ghost (legendary OgWn)
327752 | Zig:27   | Noticed Ubraesch's ghost (adept TrMo)
327752 | Zig:27   | Noticed Uhosoup's ghost (veteran GrFi)
327752 | Zig:27   | Noticed Zonian's ghost (legendary HOFi)
327752 | Zig:27   | Noticed Piginabag's ghost (veteran GnMo)
327753 | Zig:27   | Killed Xutext's ghost
327753 | Zig:27   | Killed Polaczum's ghost
327753 | Zig:27   | Killed Qatinlae's ghost
327753 | Zig:27   | Killed lmSkywalker's ghost
327753 | Zig:27   | Killed Viugiw's ghost
327754 | Zig:27   | Noticed sleeves's ghost (legendary HuSk)
327754 | Zig:27   | Noticed Zeph's ghost (adept NaFi)
327755 | Zig:27   | Noticed Gucom's ghost (veteran GnFi)
327755 | Zig:27   | Killed Godueg's ghost
327755 | Zig:27   | Noticed Fueng's ghost (legendary HOFi)
327755 | Zig:27   | Noticed meatyocre's ghost (veteran TrFi)
327755 | Zig:27   | Noticed Haitsiopt's ghost (legendary DsGl)
327755 | Zig:27   | Noticed corvin's ghost (legendary OgWn)
327756 | Zig:27   | Noticed agentgt's ghost (legendary MiCK)
327756 | Zig:27   | Noticed Xatwola's ghost (legendary DDFi)
327756 | Zig:27   | Killed sleeves's ghost
327756 | Zig:27   | Killed xzight's ghost
327756 | Zig:27   | Killed astronautguy's ghost
327756 | Zig:27   | Killed Xorhowon's ghost
327757 | Zig:27   | Killed scarywalker64's ghost
327757 | Zig:27   | Killed xzight's ghost
327757 | Zig:27   | Killed Uhosoup's ghost
327757 | Zig:27   | Killed Kufiz's ghost
327757 | Zig:27   | Killed Saphesar's ghost
327757 | Zig:27   | Killed deprived's ghost
327757 | Zig:27   | Killed Ebassic's ghost
327757 | Zig:27   | Killed corvin's ghost
327757 | Zig:27   | Killed meatyocre's ghost
327757 | Zig:27   | Killed Hewasun's ghost
327757 | Zig:27   | Noticed Zenecom's ghost (legendary MiFi)
327757 | Zig:27   | Noticed yaoilover's ghost (veteran MiBe)
327757 | Zig:27   | Noticed Alysiarr's ghost (legendary KoHu)
327758 | Zig:27   | Killed Zachydoop's ghost
327758 | Zig:27   | Killed frimble's ghost
327758 | Zig:27   | Killed Kucykkydd's ghost
327758 | Zig:27   | Killed Uhosoup's ghost
327758 | Zig:27   | Killed Veodywke's ghost
327758 | Zig:27   | Killed Marixus's ghost
327758 | Zig:27   | Killed grandjackal's ghost
327758 | Zig:27   | Killed swap's ghost
327758 | Zig:27   | Killed Saphesar's ghost
327758 | Zig:27   | Killed corvin's ghost
327758 | Zig:27   | Killed WiseOSalty's ghost
327758 | Zig:27   | Killed Ubraesch's ghost
327758 | Zig:27   | Killed Piginabag's ghost
327758 | Zig:27   | Killed Hillam's ghost
327758 | Zig:27   | Killed Gucom's ghost
327759 | Zig:27   | Killed runemage's ghost
327759 | Zig:27   | Killed SevenDeadlySins's ghost
327759 | Zig:27   | Killed Zeph's ghost
327759 | Zig:27   | Killed sleeves's ghost
327759 | Zig:27   | Killed Zonian's ghost
327759 | Zig:27   | Killed Giojuova's ghost
327759 | Zig:27   | Noticed Veodywke's ghost (legendary MiBe)
327759 | Zig:27   | Noticed Zeph's ghost (adept NaFi)
327759 | Zig:27   | Noticed Totuz's ghost (legendary HOFi)
327760 | Zig:27   | Noticed EricTams's ghost (veteran MiBe)
327760 | Zig:27   | Noticed Marixus's ghost (legendary DDFi)
327760 | Zig:27   | Noticed Gucom's ghost (veteran GnFi)
327760 | Zig:27   | Noticed Saphesar's ghost (veteran DsFi)
327760 | Zig:27   | Noticed sleeves's ghost (legendary HuSk)
327760 | Zig:27   | Noticed Godueg's ghost (veteran HOFi)
327760 | Zig:27   | Noticed Zeph's ghost (adept NaFi)
327760 | Zig:27   | Killed deprived's ghost
327760 | Zig:27   | Noticed reasonance's ghost (legendary HOMo)
327760 | Zig:27   | Noticed Xocw's ghost (legendary GrMo)
327761 | Zig:27   | Noticed Ubraesch's ghost (adept TrMo)
327761 | Zig:27   | Killed SevenDeadlySins's ghost
327761 | Zig:27   | Killed agentgt's ghost
327761 | Zig:27   | Killed Fueng's ghost
327761 | Zig:27   | Killed Alysiarr's ghost
327761 | Zig:27   | Killed Veodywke's ghost
327761 | Zig:27   | Noticed frimble's ghost (legendary GrFi)
327761 | Zig:27   | Noticed Motirgh's ghost (legendary DgHW)
327761 | Zig:27   | Noticed astronautguy's ghost (legendary FoEE)
327761 | Zig:27   | Noticed sleeves's ghost (legendary HuSk)
327761 | Zig:27   | Noticed Viocziel's ghost (adept TrMo)
327762 | Zig:27   | Noticed EricTams's ghost (veteran MiBe)
327762 | Zig:27   | Killed Manman's ghost
327762 | Zig:27   | Killed Zenecom's ghost
327762 | Zig:27   | Killed meatyocre's ghost
327762 | Zig:27   | Killed Fusentrap's ghost
327762 | Zig:27   | Killed Xuqyot's ghost
327763 | Zig:27   | Killed Xatwola's ghost
327763 | Zig:27   | Killed Zeph's ghost
327763 | Zig:27   | Killed Xocw's ghost
327763 | Zig:27   | Killed yaoilover's ghost
327763 | Zig:27   | Noticed Hacvoq's ghost (legendary HOFi)
327763 | Zig:27   | Noticed Giojuova's ghost (legendary GnBe)
327763 | Zig:27   | Noticed Piginabag's ghost (legendary DsSk)
327763 | Zig:27   | Noticed Zenecom's ghost (legendary MiFi)
327764 | Zig:27   | Killed Totuz's ghost
327764 | Zig:27   | Killed Gucom's ghost
327764 | Zig:27   | Killed Saphesar's ghost
327764 | Zig:27   | Killed Rueful's ghost
327764 | Zig:27   | Noticed astronautguy's ghost (legendary FoEE)
327764 | Zig:27   | Noticed Sext's ghost (legendary MiFi)
327764 | Zig:27   | Noticed Zenecom's ghost (legendary MiFi)
327766 | Zig:27   | Killed Haitsiopt's ghost
327766 | Zig:27   | Killed Zeph's ghost
327766 | Zig:27   | Killed Viocziel's ghost
327766 | Zig:27   | Killed EricTams's ghost
327766 | Zig:27   | Noticed Xocw's ghost (legendary GrMo)
327766 | Zig:27   | Noticed Zoplarin's ghost (legendary BaSk)
327767 | Zig:27   | Noticed Zonian's ghost (legendary HOFi)
327767 | Zig:27   | Killed Veodywke's ghost
327767 | Zig:27   | Killed Godueg's ghost
327767 | Zig:27   | Killed frimble's ghost
327767 | Zig:27   | Killed reasonance's ghost
327767 | Zig:27   | Killed sleeves's ghost
327767 | Zig:27   | Noticed WeeknightWizard's ghost (veteran DEFE)
327768 | Zig:27   | Noticed Qupubruts's ghost (master HOFi)
327768 | Zig:27   | Killed Xocw's ghost
327768 | Zig:27   | Killed astronautguy's ghost
327768 | Zig:27   | Killed Zenecom's ghost
327769 | Zig:27   | Noticed Godueg's ghost (veteran HOFi)
327769 | Zig:27   | Noticed Teaz Xo Upt's ghost (legendary GnFE)
327769 | Zig:27   | Noticed Ekeiwkem's ghost (legendary DsFi)
327769 | Zig:27   | Noticed Totuz's ghost (legendary HOFi)
327769 | Zig:27   | Noticed Manman's ghost (legendary HOGl)
327770 | Zig:27   | Noticed Rirumasy's ghost (legendary OpWn)
327770 | Zig:27   | Noticed Fusentrap's ghost (legendary MiBe)
327770 | Zig:27   | Noticed Evehuixoju's ghost (legendary VSFi)
327770 | Zig:27   | Noticed Godueg's ghost (veteran HOFi)
327770 | Zig:27   | Noticed Denobboc's ghost (legendary OpMo)
327770 | Zig:27   | Noticed Nenig's ghost (legendary GnFi)
327770 | Zig:27   | Noticed Zenecom's ghost (legendary MiFi)
327770 | Zig:27   | Noticed Xaowkis's ghost (legendary GnWr)
327771 | Zig:27   | Killed Zoplarin's ghost
327771 | Zig:27   | Killed Motirgh's ghost
327772 | Zig:27   | Killed Sext's ghost
327772 | Zig:27   | Killed Zenecom's ghost
327772 | Zig:27   | Killed Piginabag's ghost
327772 | Zig:27   | Killed Hacvoq's ghost
327772 | Zig:27   | Killed Ubraesch's ghost
327772 | Zig:27   | Killed Xocw's ghost
327772 | Zig:27   | Noticed Pusocauss's ghost (legendary VSBe)
327772 | Zig:27   | Noticed Qupubruts's ghost (master HOFi)
327773 | Zig:27   | Noticed Likado's ghost (legendary GnSk)
327773 | Zig:27   | Noticed Xaowkis's ghost (legendary GnWr)
327773 | Zig:27   | Noticed GlasyaLabolas's ghost (legendary MiFi)
327773 | Zig:27   | Noticed Fueng's ghost (legendary HOFi)
327773 | Zig:27   | Noticed Fugi's ghost (legendary FoFi)
327773 | Zig:27   | Noticed Jargh's ghost (legendary FoFi)
327773 | Zig:27   | Noticed Xorhowon's ghost (legendary MiBe)
327773 | Zig:27   | Killed Giojuova's ghost
327773 | Zig:27   | Noticed stevelinton's ghost (legendary KoBe)
327773 | Zig:27   | Noticed Xatwola's ghost (legendary DDFi)
327773 | Zig:27   | Noticed swap's ghost (legendary DEFE)
327775 | Zig:27   | Killed Teaz Xo Upt's ghost
327775 | Zig:27   | Killed Qupubruts's ghost
327775 | Zig:27   | Killed EricTams's ghost
327776 | Zig:27   | Killed Ekeiwkem's ghost
327776 | Zig:27   | Killed Manman's ghost
327776 | Zig:27   | Killed Zenecom's ghost
327776 | Zig:27   | Killed Zonian's ghost
327776 | Zig:27   | Killed Denobboc's ghost
327776 | Zig:27   | Killed Rirumasy's ghost
327776 | Zig:27   | Killed astronautguy's ghost
327776 | Zig:27   | Killed Totuz's ghost
327776 | Zig:27   | Killed Xaowkis's ghost
327777 | Zig:27   | Noticed reasonance's ghost (legendary HOMo)
327779 | Zig:27   | Noticed Evehuixoju's ghost (legendary VSFi)
327780 | Zig:27   | Noticed Barug's ghost (adept TrMo)
327784 | Zig:27   | Noticed Hillam's ghost (legendary DsTm)
327786 | Zig:27   | Killed sleeves's ghost
327786 | Zig:27   | Noticed Hewasun's ghost (legendary MiBe)
327787 | Zig:27   | Killed Marixus's ghost
327788 | Zig:27   | Killed Fusentrap's ghost
327788 | Zig:27   | Killed WeeknightWizard's ghost
327788 | Zig:27   | Noticed sleeves's ghost (legendary DsFi)
327791 | Zig:27   | Noticed Giojuova's ghost (legendary GnBe)
327794 | Zig:27   | Noticed Heartburn's ghost (veteran MiFi)
327797 | Zig:27   | Killed Xatwola's ghost
327801 | Zig:27   | Killed Xaowkis's ghost
327802 | Zig:27   | Killed Likado's ghost
327804 | Zig:27   | Noticed Gucom's ghost (veteran GnFi)
327804 | Zig:27   | Noticed Totuz's ghost (legendary HOFi)
327806 | Zig:27   | Killed reasonance's ghost
327806 | Zig:27   | Killed Fugi's ghost
327806 | Zig:27   | Killed Fueng's ghost
327807 | Zig:27   | Killed stevelinton's ghost
327807 | Zig:27   | Killed Barug's ghost
327807 | Zig:27   | Killed Hewasun's ghost
327807 | Zig:27   | Killed Evehuixoju's ghost
327807 | Zig:27   | Killed Godueg's ghost
327807 | Zig:27   | Noticed sleeves's ghost (legendary DsFi)
327807 | Zig:27   | Noticed scarywalker64's ghost (veteran BaSu)
327807 | Zig:27   | Noticed Fouwomub's ghost (legendary FoEE)
327808 | Zig:27   | Killed Xorhowon's ghost
327808 | Zig:27   | Killed Nenig's ghost
327808 | Zig:27   | Killed sleeves's ghost
327808 | Zig:27   | Killed Evehuixoju's ghost
327808 | Zig:27   | Killed Hillam's ghost
327808 | Zig:27   | Killed Giojuova's ghost
327808 | Zig:27   | Killed Gucom's ghost
327809 | Zig:27   | Noticed scarywalker64's ghost (veteran BaSu)
327809 | Zig:27   | Noticed WiseOSalty's ghost (legendary TrGl)
327809 | Zig:27   | Noticed xzight's ghost (legendary MiBe)
327810 | Zig:27   | Noticed MrChinwatt's ghost (legendary DsWn)
327810 | Zig:27   | Noticed Qeilemp's ghost (legendary HOFi)
327810 | Zig:27   | Noticed Veodywke's ghost (legendary MiBe)
327810 | Zig:27   | Noticed Pusocauss's ghost (legendary VSBe)
327810 | Zig:27   | Killed swap's ghost
327811 | Zig:27   | Noticed sleeves's ghost (legendary DsFi)
327811 | Zig:27   | Killed Qupubruts's ghost
327811 | Zig:27   | Killed Heartburn's ghost
327811 | Zig:27   | Noticed Godueg's ghost (veteran HOFi)
327811 | Zig:27   | Noticed Viugiw's ghost (legendary TeBe)
327811 | Zig:27   | Noticed reasonance's ghost (legendary HOMo)
327811 | Zig:27   | Noticed Viocziel's ghost (adept TrMo)
327811 | Zig:27   | Noticed Becvyf's ghost (legendary GnFi)
327814 | Zig:27   | Killed Totuz's ghost
327814 | Zig:27   | Killed scarywalker64's ghost
327814 | Zig:27   | Killed scarywalker64's ghost
327814 | Zig:27   | Noticed frimble's ghost (legendary GrFi)
327814 | Zig:27   | Noticed Wammos's ghost (legendary TeCj)
327814 | Zig:27   | Noticed frimble's ghost (adept DsGl)
327814 | Zig:27   | Noticed lukano's ghost (legendary GrFi)
327814 | Zig:27   | Noticed Xuqyot's ghost (legendary DsFi)
327815 | Zig:27   | Noticed Fueng's ghost (legendary HOFi)
327815 | Zig:27   | Killed GlasyaLabolas's ghost
327815 | Zig:27   | Killed Fouwomub's ghost
327815 | Zig:27   | Killed xzight's ghost
327815 | Zig:27   | Noticed andrewp's ghost (veteran MiBe)
327815 | Zig:27   | Noticed heteroy's ghost (legendary DsHu)
327815 | Zig:27   | Noticed tigertrap's ghost (legendary DgHW)
327815 | Zig:27   | Noticed Nenig's ghost (legendary GnFi)
327817 | Zig:27   | Killed Jargh's ghost
327817 | Zig:27   | Killed WiseOSalty's ghost
327817 | Zig:27   | Killed sleeves's ghost
327817 | Zig:27   | Killed Pusocauss's ghost
327817 | Zig:27   | Killed Becvyf's ghost
327817 | Zig:27   | Killed Viugiw's ghost
327817 | Zig:27   | Noticed Hillam's ghost (legendary DsTm)
327817 | Zig:27   | Noticed Janeylunn's ghost (veteran GnWn)
327817 | Zig:27   | Noticed runemage's ghost (legendary GnFi)
327818 | Zig:27   | Killed MrChinwatt's ghost
327818 | Zig:27   | Killed sleeves's ghost
327818 | Zig:27   | Killed reasonance's ghost
327818 | Zig:27   | Killed Godueg's ghost
327818 | Zig:27   | Killed frimble's ghost
327818 | Zig:27   | Noticed Unuchuin's ghost (legendary GnFi)
327818 | Zig:27   | Noticed agentgt's ghost (legendary MiCK)
327818 | Zig:27   | Noticed Becvyf's ghost (legendary GnFi)
327818 | Zig:27   | Noticed Xiwu's ghost (legendary MiFi)
327819 | Zig:27   | Noticed Anafel's ghost (legendary GrFi)
327819 | Zig:27   | Noticed Evehuixoju's ghost (legendary VSFi)
327819 | Zig:27   | Noticed Nenig's ghost (legendary GnFi)
327819 | Zig:27   | Noticed Saphesar's ghost (veteran DsFi)
327819 | Zig:27   | Noticed BerryKnight's ghost (legendary DgFi)
327819 | Zig:27   | Noticed astronautguy's ghost (legendary FoEE)
327819 | Zig:27   | Noticed andrewp's ghost (veteran MiBe)
327820 | Zig:27   | Killed Wammos's ghost
327820 | Zig:27   | Killed Pusocauss's ghost
327820 | Zig:27   | Killed lukano's ghost
327820 | Zig:27   | Killed Qeilemp's ghost
327820 | Zig:27   | Killed frimble's ghost
327820 | Zig:27   | Noticed Himmaryad's ghost (adept TrMo)
327820 | Zig:27   | Noticed Viugiw's ghost (legendary TeBe)
327820 | Zig:27   | Noticed Kufiz's ghost (master GrCK)
327821 | Zig:27   | Killed tigertrap's ghost
327821 | Zig:27   | Killed heteroy's ghost
327821 | Zig:27   | Killed Janeylunn's ghost
327821 | Zig:27   | Noticed tigertrap's ghost (legendary DgHW)
327821 | Zig:27   | Noticed Veodywke's ghost (legendary MiBe)
327821 | Zig:27   | Noticed stevelinton's ghost (legendary KoBe)
327821 | Zig:27   | Noticed Qupubruts's ghost (master HOFi)
327822 | Zig:27   | Killed runemage's ghost
327822 | Zig:27   | Killed andrewp's ghost
327822 | Zig:27   | Killed Becvyf's ghost
327822 | Zig:27   | Killed Veodywke's ghost
327822 | Zig:27   | Killed Viocziel's ghost
327822 | Zig:27   | Killed Fueng's ghost
327823 | Zig:27   | Killed Xuqyot's ghost
327823 | Zig:27   | Killed Unuchuin's ghost
327823 | Zig:27   | Killed Xiwu's ghost
327823 | Zig:27   | Killed Godueg's ghost
327823 | Zig:27   | Noticed Evehuixoju's ghost (legendary VSFi)
327823 | Zig:27   | Noticed Barug's ghost (adept TrMo)
327823 | Zig:27   | Noticed TuffENuff's ghost (legendary FoFi)
327824 | Zig:27   | Noticed sleeves's ghost (legendary HuEE)
327824 | Zig:27   | Noticed TuffENuff's ghost (legendary FoFi)
327824 | Zig:27   | Noticed Totuz's ghost (legendary HOFi)
327824 | Zig:27   | Noticed runemage's ghost (legendary GnFi)
327824 | Zig:27   | Noticed GlasyaLabolas's ghost (legendary MiFi)
327824 | Zig:27   | Noticed Fenir's ghost (legendary GnAE)
327824 | Zig:27   | Noticed Xaowkis's ghost (legendary GnWr)
327824 | Zig:27   | Noticed ragingrage's ghost (legendary OpFE)
327824 | Zig:27   | Noticed Hacvoq's ghost (legendary HOFi)
327824 | Zig:27   | Killed Anafel's ghost
327824 | Zig:27   | Noticed Qupubruts's ghost (master HOFi)
327825 | Zig:27   | Killed Hillam's ghost
327825 | Zig:27   | Killed stevelinton's ghost
327825 | Zig:27   | Killed Nenig's ghost
327825 | Zig:27   | Killed agentgt's ghost
327825 | Zig:27   | Killed Qupubruts's ghost
327825 | Zig:27   | Killed Saphesar's ghost
327825 | Zig:27   | Killed andrewp's ghost
327825 | Zig:27   | Killed Himmaryad's ghost
327825 | Zig:27   | Killed Viugiw's ghost
327826 | Zig:27   | Noticed Ebassic's ghost (veteran GrFi)
327826 | Zig:27   | Noticed Qupubruts's ghost (master HOFi)
327827 | Zig:27   | Noticed GlasyaLabolas's ghost (legendary MiFi)
327827 | Zig:27   | Killed Evehuixoju's ghost
327827 | Zig:27   | Killed astronautguy's ghost
327827 | Zig:27   | Killed tigertrap's ghost
327827 | Zig:27   | Killed BerryKnight's ghost
327827 | Zig:27   | Killed Evehuixoju's ghost
327827 | Zig:27   | Noticed Ecsetopt's ghost (legendary BaWn)
327828 | Zig:27   | Killed Nenig's ghost
327828 | Zig:27   | Killed sleeves's ghost
327828 | Zig:27   | Killed TuffENuff's ghost
327828 | Zig:27   | Killed Veodywke's ghost
327828 | Zig:27   | Killed Kufiz's ghost
327829 | Zig:27   | Killed Barug's ghost
327829 | Zig:27   | Killed TuffENuff's ghost
327829 | Zig:27   | Killed Fenir's ghost
327829 | Zig:27   | Killed Xaowkis's ghost
327829 | Zig:27   | Noticed Pohawk's ghost (adept MiGl)
327829 | Zig:27   | Noticed Amikeex's ghost (adept TrMo)
327830 | Zig:27   | Killed Hacvoq's ghost
327830 | Zig:27   | Killed Qupubruts's ghost
327830 | Zig:27   | Killed Totuz's ghost
327830 | Zig:27   | Killed Ebassic's ghost
327830 | Zig:27   | Killed runemage's ghost
327830 | Zig:27   | Noticed Vuopse's ghost (legendary GnIE)
327831 | Zig:27   | Killed Qupubruts's ghost
327833 | Zig:27   | Noticed Unuchuin's ghost (legendary GnFi)
327834 | Zig:27   | Noticed Zonian's ghost (legendary HOFi)
327834 | Zig:27   | Noticed melllvar's ghost (legendary MiBe)
327834 | Zig:27   | Noticed Gucom's ghost (veteran GnFi)
327834 | Zig:27   | Noticed meatyocre's ghost (veteran TrFi)
327834 | Zig:27   | Noticed astronautguy's ghost (legendary FoEE)
327835 | Zig:27   | Noticed Waohesse's ghost (legendary VSFi)
327836 | Zig:27   | Killed GlasyaLabolas's ghost
327836 | Zig:27   | Killed Ecsetopt's ghost
327836 | Zig:27   | Killed Amikeex's ghost
327836 | Zig:27   | Killed GlasyaLabolas's ghost
327837 | Zig:27   | Killed Pohawk's ghost
327837 | Zig:27   | Killed Gucom's ghost
327838 | Zig:27   | Noticed TuffENuff's ghost (legendary FoFi)
327838 | Zig:27   | Noticed Vuopse's ghost (legendary GnIE)
327838 | Zig:27   | Noticed EricTams's ghost (veteran MiBe)
327838 | Zig:27   | Noticed Gemnonof's ghost (adept DgCj)
327838 | Zig:27   | Noticed Zachydoop's ghost (veteran MiMo)
327838 | Zig:27   | Noticed thechecker02's ghost (master DDFi)
327838 | Zig:27   | Noticed Jargh's ghost (legendary FoFi)
327839 | Zig:27   | Killed Unuchuin's ghost
327839 | Zig:27   | Killed Zonian's ghost
327839 | Zig:27   | Killed Waohesse's ghost
327839 | Zig:27   | Noticed Gemnonof's ghost (adept DgCj)
327841 | Zig:27   | Noticed Rocah's ghost (veteran GrFi)
327841 | Zig:27   | Killed ragingrage's ghost
327841 | Zig:27   | Killed melllvar's ghost
327844 | Zig:27   | Killed astronautguy's ghost
327844 | Zig:27   | Killed meatyocre's ghost
327844 | Zig:27   | Killed Gemnonof's ghost
327844 | Zig:27   | Killed Gemnonof's ghost
327846 | Zig:27   | Killed Zachydoop's ghost
327846 | Zig:27   | Killed Jargh's ghost
327846 | Zig:27   | Killed thechecker02's ghost
327846 | Zig:27   | Killed TuffENuff's ghost
327846 | Zig:27   | Killed Rocah's ghost
327856 | Zig:27   | Killed Vuopse's ghost
327858 | Zig:27   | Killed EricTams's ghost
327860 | Zig:27   | Killed Vuopse's ghost
328355 | Zig:27   | Identified the +4 triple crossbow of Goorus Taad {drain,
                  | Will- Dex+10}
328365 | Zig:27   | Identified the ring "Ejukk" {rPois rF- rC++ rN+ MP+9}
328371 | Zig:27   | Identified the +4 battleaxe of Pandemonium {chaos, rElec
                  | rCorr Str+4 Int-5}
328376 | Zig:27   | Identified the +0 scale mail of Lugonu's Outrage {Rampage
                  | *Slow rPois Str+2 Dex+3}
328383 | Zig:27   | Identified the +6 great sword of Tastu {drain, *Slow rC+
                  | rCorr Dex+3}
328401 | Zig:27   | Identified the +4 battleaxe of Mastery {freeze, Dex+4}
328402 | Zig:27   | Identified the staff of poison "Irifid" {rPois rCorr Dex+3
                  | SInv}
328405 | Zig:27   | Identified the +6 scale mail of Mefiot {Slay+4}
328408 | Zig:27   | Identified the +3 trident of Indomitability {venom, Fragile
                  | rElec rCorr Str+2}
328415 | Zig:27   | Identified the +0 scale mail "Caceej" {-Tele Fly rC+ Str+4}
328416 | Zig:27   | Identified the +2 pair of boots of Monotheism {rPois rF+}
328512 | Zig:1    | Entered Level 1 of a ziggurat
328512 | Zig:1    | Noticed an ancient lich
328512 | Zig:1    | Noticed a dread lich
328512 | Zig:1    | Noticed an ancient lich
328512 | Zig:1    | Noticed an ancient lich
328512 | Zig:1    | Noticed a dread lich
328512 | Zig:1    | Noticed an ancient lich
328512 | Zig:1    | Noticed a dread lich
328512 | Zig:1    | Noticed a dread lich
328512 | Zig:1    | Noticed an ancient lich
328512 | Zig:1    | Noticed a dread lich
328513 | Zig:1    | Killed an ancient lich
328513 | Zig:1    | Killed a dread lich
328513 | Zig:1    | Killed an ancient lich
328513 | Zig:1    | Killed an ancient lich
328513 | Zig:1    | Killed a dread lich
328515 | Zig:1    | Killed an ancient lich
328515 | Zig:1    | Killed a dread lich
328516 | Zig:1    | Killed a dread lich
328516 | Zig:1    | Killed an ancient lich
328517 | Zig:1    | Killed a dread lich
328612 | Zig:2    | Entered Level 2 of a ziggurat
328613 | Zig:2    | Noticed Xyci the pandemonium lord
328619 | Zig:2    | Killed Xyci the pandemonium lord
328816 | Zig:2    | Identified the +1 troll leather armour of Midsummer {Harm
                  | rPois Regen+ Str+5 Dex-2}
328904 | Zig:3    | Entered Level 3 of a ziggurat
328993 | Zig:3    | Identified the +6 chain mail of Juimiefo {rF++}
328995 | Zig:3    | Identified the ring "Ojoasch" {rF+ Will- Int+5}
329000 | Zig:3    | Identified the +7 halberd of Qiblesch {venom, Fragile rCorr
                  | Int+6}
329006 | Zig:3    | Identified the +9 halberd "Dyozibbapp" {freeze, Fragile
                  | Will+ rCorr}
329124 | Zig:4    | Entered Level 4 of a ziggurat
329328 | Zig:4    | Identified the staff of conjuration "Xaempow" {Fly}
329348 | Zig:5    | Entered Level 5 of a ziggurat
329604 | Zig:5    | Identified the +7 morningstar "Zujestys" {pain, rCorr Str+3
                  | Stlth+}
329615 | Zig:5    | Identified the ring of Fiepn {rElec rCorr EV+5 Int-3
                  | Slay+4}
329760 | Zig:6    | Entered Level 6 of a ziggurat
330041 | Zig:6    | Identified the +7 double sword of Resumed Hostilities
                  | {protect, rN+ Str+3 Int+3 Dex-5}
330046 | Zig:6    | Identified the staff of poison "Afoerias" {Drain rPois
                  | Dex+3 SInv}
330062 | Zig:6    | Identified the +0 ring mail of Amorality {-Cast rElec
                  | Regen+ Str+4}
330092 | Zig:6    | Identified the ring of Wusexo Soni {rF+ Str+3 Dex-4 Slay+4}
330096 | Zig:7    | Entered Level 7 of a ziggurat
330380 | Zig:7    | Identified the ring of Niucin {Wiz Slay+5}
330576 | Zig:8    | Entered Level 8 of a ziggurat
330901 | Zig:8    | Identified the +5 chain mail of the Silversmith {rCorr
                  | Int+3 Dex+4}
330912 | Zig:8    | Identified the amulet "Nuklatup" {Spirit Dex+4}
330946 | Zig:9    | Entered Level 9 of a ziggurat
331120 | Zig:9    | Identified the staff of poison "Qucilewk" {Drain rElec
                  | rPois rN+++ Str-4}
331126 | Zig:9    | Identified the staff of death "Moamac" {rElec rN+}
331163 | Zig:9    | Identified the +4 falchion of Xelosu {freeze, rF+ rCorr
                  | Str+4 Int+7}
331399 | Zig:10   | Entered Level 10 of a ziggurat
331422 | Zig:10   | Identified the +0 rapier "Bomutyl" {venom, rElec rPois rF+
                  | Str+2}
331623 | Zig:10   | Identified the +3 ring mail of Inevitability {Fly rPois rN+
                  | Will+}
331677 | Zig:10   | Identified the amulet "Kurerisi" {Faith *Corrode Int+2
                  | Dex+2 Stlth+}
331678 | Zig:10   | Identified the amulet "Ycosiog" {RegenMP rElec Dex+2}
331682 | Zig:10   | Identified the staff of air "Onebeh" {rElec rF++ Str-5
                  | Int+8}
331792 | Zig:11   | Entered Level 11 of a ziggurat
331911 | Zig:11   | Identified the +3 leather armour of Trumpets {rElec rCorr
                  | Str-5}
331918 | Zig:11   | Identified the ring of Jocvou {rPois rF+ rN++ Will+}
331927 | Zig:11   | Identified the staff of earth "Orhumer" {rElec SInv}
331941 | Zig:11   | Identified the staff of earth "Fouc" {Drain rElec Int+4}
332262 | Zig:12   | Entered Level 12 of a ziggurat
332286 | Zig:12   | Noticed Ympuar Neuh the pandemonium lord
332311 | Zig:12   | Killed Ympuar Neuh the pandemonium lord
332679 | Zig:12   | Identified the +0 plate armour of Terror {Dex+3}
332681 | Zig:12   | Identified the +8 mace of Tartarus {holy, Str+5 Int+2}
332699 | Zig:12   | Identified the +2 robe of the Harp {rF+ rCorr}
332700 | Zig:12   | Identified the ring "Fonkacw" {rPois rF+ rC- rN+++ Int+5}
332716 | Zig:12   | Identified the +8 spear of Myijevog {flame, Will++}
332777 | Zig:13   | Entered Level 13 of a ziggurat
332777 | Zig:13   | Noticed a dread lich
332777 | Zig:13   | Noticed a royal mummy
332777 | Zig:13   | Noticed a royal mummy
332777 | Zig:13   | Noticed a royal mummy
332777 | Zig:13   | Noticed a royal mummy
332777 | Zig:13   | Noticed a royal mummy
332777 | Zig:13   | Noticed a royal mummy
332777 | Zig:13   | Noticed a royal mummy
332777 | Zig:13   | Noticed a royal mummy
332777 | Zig:13   | Noticed a royal mummy
332777 | Zig:13   | Noticed a royal mummy
332778 | Zig:13   | Killed a royal mummy
332778 | Zig:13   | Killed a royal mummy
332778 | Zig:13   | Killed a royal mummy
332778 | Zig:13   | Killed a royal mummy
332778 | Zig:13   | Killed a royal mummy
332778 | Zig:13   | Killed a royal mummy
332778 | Zig:13   | Killed a royal mummy
332778 | Zig:13   | Killed a royal mummy
332781 | Zig:13   | Noticed an ancient lich
332782 | Zig:13   | Noticed a royal mummy
332783 | Zig:13   | Noticed a royal mummy
332783 | Zig:13   | Noticed a royal mummy
332784 | Zig:13   | Noticed a royal mummy
332784 | Zig:13   | Killed a royal mummy
332785 | Zig:13   | Noticed a royal mummy
332785 | Zig:13   | Noticed a royal mummy
332786 | Zig:13   | Noticed a royal mummy
332787 | Zig:13   | Killed a royal mummy
332787 | Zig:13   | Killed a royal mummy
332787 | Zig:13   | Killed a royal mummy
332787 | Zig:13   | Killed a royal mummy
332788 | Zig:13   | Killed a royal mummy
332788 | Zig:13   | Killed a royal mummy
332788 | Zig:13   | Killed a dread lich
332788 | Zig:13   | Killed a royal mummy
332788 | Zig:13   | Killed a royal mummy
332789 | Zig:13   | Noticed a royal mummy
332790 | Zig:13   | Noticed a royal mummy
332792 | Zig:13   | Killed an ancient lich
332793 | Zig:13   | Noticed a royal mummy
332793 | Zig:13   | Noticed a royal mummy
332794 | Zig:13   | Noticed a royal mummy
332794 | Zig:13   | Noticed a royal mummy
332794 | Zig:13   | Noticed a royal mummy
332796 | Zig:13   | Noticed a royal mummy
332798 | Zig:13   | Killed a royal mummy
332798 | Zig:13   | Killed a royal mummy
332798 | Zig:13   | Killed a royal mummy
332798 | Zig:13   | Killed a royal mummy
332798 | Zig:13   | Killed a royal mummy
332799 | Zig:13   | Killed a royal mummy
332799 | Zig:13   | Killed a royal mummy
332799 | Zig:13   | Killed a royal mummy
332805 | Zig:13   | Identified the +4 flail of Ryotaeco {freeze, rN++}
332843 | Zig:13   | Identified the +6 rapier of Enusexze {elec, rCorr Int+3}
332870 | Zig:13   | Identified the +0 buckler of Huykeimo {rF+ rC+ Will- Str+3}
332922 | Zig:13   | Identified the +1 plate armour of the Midnight Sun {rPois
                  | Int-3 Dex+8}
333334 | Zig:14   | Entered Level 14 of a ziggurat
333906 | Zig:14   | Identified the staff of death "Renibyv" {rPois rF- rN+
                  | Int+6 Stlth+}
333910 | Zig:14   | Identified the +6 arbalest of the Uplifting King {penet,
                  | rElec rN+ Int+5 Dex-2}
333918 | Zig:14   | Identified the +2 ring mail "Jyruotwopp" {Int+3}
333922 | Zig:14   | Identified the +2 troll leather armour "Xoges" {rF+ rC+
                  | Regen+ Int+4}
333940 | Zig:14   | Identified the +7 demon blade of the Singing Fool {drain,
                  | Fly rC- Int+4}
333961 | Zig:14   | Identified the +7 scimitar "Lejitt" {heavy, Fragile rN+
                  | Dex+2}
333997 | Zig:15   | Entered Level 15 of a ziggurat
334109 | Zig:15   | Identified the ring of the Country {rN+ Will+ Str-3 Int+2
                  | Dex+7}
334120 | Zig:15   | Identified the +10 great mace "Ecytihiame" {protect,
                  | Fragile rPois rN+++ MP+9}
334129 | Zig:15   | Identified the ring of the Wary Teeth {rPois rF- rN++
                  | Will+++ Str+6}
334140 | Zig:15   | Identified the +1 war axe of Zesiyfum {venom, rPois rN+++
                  | Will+ rCorr Dex-2}
334143 | Zig:15   | Identified the +1 longbow of Imbalance {freeze, Will+}
334185 | Zig:15   | Identified the +5 mace "Bixzin" {vamp, rF+}
334191 | Zig:15   | Identified the +0 hat of the Arcane {rC++}
334208 | Zig:15   | Identified the ring "Piprir" {Str+6 Dex+4}
334635 | Zig:15   | Identified the +6 halberd of Eternity {elec, MP+9}
334701 | Zig:16   | Entered Level 16 of a ziggurat
334701 | Zig:16   | Noticed a dread lich
334701 | Zig:16   | Noticed an ancient lich
334701 | Zig:16   | Noticed an ancient lich
334701 | Zig:16   | Noticed an ancient lich
334701 | Zig:16   | Noticed a dread lich
334701 | Zig:16   | Noticed an ancient lich
334701 | Zig:16   | Noticed a dread lich
334701 | Zig:16   | Noticed a dread lich
334701 | Zig:16   | Noticed an ancient lich
334701 | Zig:16   | Noticed an ancient lich
334701 | Zig:16   | Noticed a dread lich
334701 | Zig:16   | Noticed a dread lich
334701 | Zig:16   | Noticed a dread lich
334701 | Zig:16   | Noticed an ancient lich
334701 | Zig:16   | Noticed an ancient lich
334701 | Zig:16   | Noticed a dread lich
334701 | Zig:16   | Noticed a dread lich
334701 | Zig:16   | Noticed an ancient lich
334701 | Zig:16   | Noticed an ancient lich
334701 | Zig:16   | Noticed a dread lich
334701 | Zig:16   | Noticed an ancient lich
334701 | Zig:16   | Noticed a dread lich
334701 | Zig:16   | Noticed a dread lich
334701 | Zig:16   | Noticed a dread lich
334701 | Zig:16   | Noticed an ancient lich
334701 | Zig:16   | Noticed a dread lich
334701 | Zig:16   | Noticed an ancient lich
334702 | Zig:16   | Killed an ancient lich
334702 | Zig:16   | Killed a dread lich
334702 | Zig:16   | Killed an ancient lich
334702 | Zig:16   | Killed a dread lich
334702 | Zig:16   | Killed an ancient lich
334702 | Zig:16   | Killed a dread lich
334702 | Zig:16   | Killed a dread lich
334702 | Zig:16   | Killed a dread lich
334702 | Zig:16   | Killed an ancient lich
334702 | Zig:16   | Killed an ancient lich
334702 | Zig:16   | Killed a dread lich
334702 | Zig:16   | Killed an ancient lich
334702 | Zig:16   | Killed a dread lich
334702 | Zig:16   | Killed a dread lich
334702 | Zig:16   | Killed a dread lich
334702 | Zig:16   | Killed an ancient lich
334702 | Zig:16   | Killed a dread lich
334704 | Zig:16   | Noticed an ancient lich
334704 | Zig:16   | Noticed a dread lich
334704 | Zig:16   | Noticed a dread lich
334705 | Zig:16   | Noticed a dread lich
334705 | Zig:16   | Noticed an ancient lich
334705 | Zig:16   | Noticed a dread lich
334705 | Zig:16   | Killed a dread lich
334706 | Zig:16   | Noticed an ancient lich
334706 | Zig:16   | Noticed an ancient lich
334706 | Zig:16   | Noticed an ancient lich
334707 | Zig:16   | Noticed a dread lich
334707 | Zig:16   | Noticed a dread lich
334707 | Zig:16   | Noticed an ancient lich
334707 | Zig:16   | Killed an ancient lich
334707 | Zig:16   | Killed a dread lich
334707 | Zig:16   | Killed an ancient lich
334707 | Zig:16   | Killed a dread lich
334708 | Zig:16   | Noticed a dread lich
334708 | Zig:16   | Killed an ancient lich
334708 | Zig:16   | Killed an ancient lich
334709 | Zig:16   | Noticed an ancient lich
334709 | Zig:16   | Noticed a dread lich
334709 | Zig:16   | Killed an ancient lich
334710 | Zig:16   | Killed a dread lich
334710 | Zig:16   | Killed an ancient lich
334710 | Zig:16   | Killed a dread lich
334710 | Zig:16   | Killed an ancient lich
334710 | Zig:16   | Killed an ancient lich
334710 | Zig:16   | Killed an ancient lich
334710 | Zig:16   | Killed an ancient lich
334710 | Zig:16   | Killed an ancient lich
334710 | Zig:16   | Killed a dread lich
334710 | Zig:16   | Killed an ancient lich
334710 | Zig:16   | Killed an ancient lich
334710 | Zig:16   | Killed a dread lich
334710 | Zig:16   | Killed a dread lich
334710 | Zig:16   | Killed a dread lich
334711 | Zig:16   | Noticed an ancient lich
334711 | Zig:16   | Noticed a dread lich
334711 | Zig:16   | Noticed a dread lich
334711 | Zig:16   | Noticed a dread lich
334711 | Zig:16   | Noticed a dread lich
334711 | Zig:16   | Noticed an ancient lich
334712 | Zig:16   | Noticed a dread lich
334712 | Zig:16   | Noticed an ancient lich
334712 | Zig:16   | Noticed a dread lich
334713 | Zig:16   | Noticed an ancient lich
334713 | Zig:16   | Noticed an ancient lich
334713 | Zig:16   | Noticed a dread lich
334714 | Zig:16   | Noticed a dread lich
334714 | Zig:16   | Noticed an ancient lich
334714 | Zig:16   | Noticed an ancient lich
334716 | Zig:16   | Killed an ancient lich
334716 | Zig:16   | Killed an ancient lich
334716 | Zig:16   | Killed an ancient lich
334716 | Zig:16   | Killed an ancient lich
334716 | Zig:16   | Killed an ancient lich
334716 | Zig:16   | Killed a dread lich
334716 | Zig:16   | Killed a dread lich
334716 | Zig:16   | Killed a dread lich
334716 | Zig:16   | Noticed a dread lich
334717 | Zig:16   | Noticed an ancient lich
334717 | Zig:16   | Noticed an ancient lich
334719 | Zig:16   | Killed a dread lich
334719 | Zig:16   | Killed an ancient lich
334719 | Zig:16   | Killed a dread lich
334719 | Zig:16   | Killed a dread lich
334719 | Zig:16   | Killed a dread lich
334719 | Zig:16   | Killed an ancient lich
334719 | Zig:16   | Killed a dread lich
334719 | Zig:16   | Killed an ancient lich
334719 | Zig:16   | Killed a dread lich
334719 | Zig:16   | Killed a dread lich
334719 | Zig:16   | Killed a dread lich
334719 | Zig:16   | Noticed a dread lich
334720 | Zig:16   | Noticed an ancient lich
334720 | Zig:16   | Killed a dread lich
334720 | Zig:16   | Noticed an ancient lich
334721 | Zig:16   | Noticed a dread lich
334721 | Zig:16   | Noticed an ancient lich
334721 | Zig:16   | Noticed an ancient lich
334722 | Zig:16   | Killed an ancient lich
334722 | Zig:16   | Killed a dread lich
334723 | Zig:16   | Noticed an ancient lich
334723 | Zig:16   | Noticed a dread lich
334723 | Zig:16   | Noticed a dread lich
334723 | Zig:16   | Killed an ancient lich
334723 | Zig:16   | Noticed a dread lich
334724 | Zig:16   | Killed an ancient lich
334725 | Zig:16   | Killed a dread lich
334725 | Zig:16   | Killed an ancient lich
334726 | Zig:16   | Killed a dread lich
334726 | Zig:16   | Killed an ancient lich
334726 | Zig:16   | Killed a dread lich
334726 | Zig:16   | Killed an ancient lich
334729 | Zig:16   | Killed a dread lich
335227 | Zig:16   | Identified the +4 great sword of Change {freeze, Fragile
                  | rN+++ rCorr Dex+3}
335241 | Zig:16   | Identified the amulet "Fioqupyu" {Spirit rF++ Int+7}
335261 | Zig:16   | Identified the staff of conjuration "Erary" {rElec rC+++
                  | rCorr Dex-5}
335266 | Zig:16   | Identified the +9 falchion "Tuvoh" {heavy, rPois rF+ rN+
                  | Dex-4}
335268 | Zig:16   | Identified the staff of earth "Mipsak" {Drain Str-5 SInv
                  | Stlth+}
335323 | Zig:16   | Identified the +0 leather armour of Activism {rF- Dex+3
                  | Slay+5 Stlth+}
335336 | Zig:16   | Identified the amulet of Ujenlutaipt {RegenMP rC- rN+ Will+
                  | Int+7}
335349 | Zig:16   | Identified the +7 broad axe of Plog {spect, +Blink rF+
                  | rCorr Dex-3}
335355 | Zig:16   | Identified the +1 mace of Mutilation {heavy, rElec rPois
                  | Str+4}
335384 | Zig:17   | Entered Level 17 of a ziggurat
335413 | Zig:17   | Noticed Xoskuwn the pandemonium lord
335417 | Zig:17   | Killed Xoskuwn the pandemonium lord
335689 | Zig:17   | Identified the staff of death "Xooqor" {rN+ Str+3}
335817 | Zig:17   | Identified the +3 broad axe "Coesir" {freeze, Int+4}
335819 | Zig:17   | Identified the +2 leather armour of Bitterness {Rampage rN+
                  | Will++ Int-3}
335834 | Zig:17   | Identified the +6 battleaxe of Extermination {freeze,
                  | Str+3}
335843 | Zig:17   | Identified the staff of cold "Qadiem" {rC+ Dex+6}
335845 | Zig:17   | Identified the +1 leather armour "Viyhat" {Contam Fly Will+
                  | Int+2}
335848 | Zig:17   | Identified the staff of death "Faje" {rPois rC- rN+ Dex+3
                  | Stlth+}
335853 | Zig:17   | Identified the staff of air "Bablofip" {rElec SInv}
335858 | Zig:17   | Identified the +10 short sword "Ydikoyry" {freeze, Dex+6}
336167 | Zig:17   | Identified the +2 cloak of Spite {Dex+4}
336173 | Zig:17   | Identified the ring of Wyorogha {Drain rN+ Str+6 Stlth+}
336208 | Zig:18   | Entered Level 18 of a ziggurat
336208 | Zig:18   | Noticed a juggernaut
336208 | Zig:18   | Noticed a juggernaut
336208 | Zig:18   | Noticed a juggernaut
336208 | Zig:18   | Noticed a juggernaut
336208 | Zig:18   | Noticed a juggernaut
336208 | Zig:18   | Noticed a juggernaut
336208 | Zig:18   | Noticed a juggernaut
336208 | Zig:18   | Noticed a juggernaut
336208 | Zig:18   | Noticed a juggernaut
336208 | Zig:18   | Noticed a juggernaut
336208 | Zig:18   | Noticed a juggernaut
336209 | Zig:18   | Killed a juggernaut
336209 | Zig:18   | Killed a juggernaut
336209 | Zig:18   | Killed a juggernaut
336209 | Zig:18   | Killed a juggernaut
336209 | Zig:18   | Killed a juggernaut
336209 | Zig:18   | Killed a juggernaut
336209 | Zig:18   | Noticed a juggernaut
336210 | Zig:18   | Noticed a juggernaut
336211 | Zig:18   | Noticed a juggernaut
336211 | Zig:18   | Noticed a juggernaut
336212 | Zig:18   | Noticed a juggernaut
336212 | Zig:18   | Killed a juggernaut
336212 | Zig:18   | Killed a juggernaut
336212 | Zig:18   | Killed a juggernaut
336212 | Zig:18   | Noticed a juggernaut
336213 | Zig:18   | Noticed a juggernaut
336213 | Zig:18   | Noticed a juggernaut
336213 | Zig:18   | Noticed a juggernaut
336213 | Zig:18   | Noticed a juggernaut
336213 | Zig:18   | Noticed a juggernaut
336213 | Zig:18   | Noticed a juggernaut
336213 | Zig:18   | Killed a juggernaut
336214 | Zig:18   | Killed a juggernaut
336214 | Zig:18   | Killed a juggernaut
336215 | Zig:18   | Killed a juggernaut
336215 | Zig:18   | Killed a juggernaut
336215 | Zig:18   | Killed a juggernaut
336215 | Zig:18   | Killed a juggernaut
336215 | Zig:18   | Killed a juggernaut
336217 | Zig:18   | Noticed a juggernaut
336217 | Zig:18   | Noticed a juggernaut
336218 | Zig:18   | Noticed a juggernaut
336219 | Zig:18   | Noticed a juggernaut
336219 | Zig:18   | Noticed a juggernaut
336219 | Zig:18   | Noticed a juggernaut
336220 | Zig:18   | Noticed a juggernaut
336220 | Zig:18   | Killed a juggernaut
336220 | Zig:18   | Killed a juggernaut
336220 | Zig:18   | Killed a juggernaut
336220 | Zig:18   | Killed a juggernaut
336220 | Zig:18   | Killed a juggernaut
336220 | Zig:18   | Killed a juggernaut
336224 | Zig:18   | Killed a juggernaut
336224 | Zig:18   | Killed a juggernaut
336224 | Zig:18   | Killed a juggernaut
336224 | Zig:18   | Killed a juggernaut
336224 | Zig:18   | Killed a juggernaut
336229 | Zig:18   | Killed a juggernaut
336240 | Zig:18   | Killed a juggernaut
336710 | Zig:18   | Identified the staff of air "Ebatt" {rElec rC+ rN+ Str-4
                  | Int+3}
336728 | Zig:18   | Identified the +1 dire flail of the Candle {holy, rN+ rCorr
                  | MP+9}
336732 | Zig:18   | Identified the +5 plate armour of Sloth {Int+6}
336762 | Zig:18   | Identified the +0 ring mail "Eho Zahi" {rElec rPois Str+6}
336800 | Zig:18   | Identified the +8 halberd "Paxyriurr" {pain, rElec rPois}
336806 | Zig:18   | Identified the scarf of Gehenna {harm, Will+}
336812 | Zig:18   | Identified the +3 ring mail "Ynoem" {rCorr Str+2 Int-4}
336815 | Zig:18   | Identified the ring "Ovu Oqol" {rF+ Str+3}
336829 | Zig:18   | Identified the +7 spear "Demonspawn's Regret" {freeze, Fly
                  | rElec}
336830 | Zig:18   | Identified the amulet "Iplof" {Reflect rN+ Regen+ Str-4
                  | Int+2 SH+5}
336836 | Zig:18   | Identified the amulet of the Futuristic Plum {RegenMP rN+
                  | Str+2 Dex+3}
336930 | Zig:19   | Entered Level 19 of a ziggurat
336930 | Zig:19   | Noticed an ancient lich
336930 | Zig:19   | Noticed an ancient lich
336930 | Zig:19   | Noticed a dread lich
336930 | Zig:19   | Noticed a dread lich
336930 | Zig:19   | Noticed an ancient lich
336930 | Zig:19   | Noticed a dread lich
336930 | Zig:19   | Noticed an ancient lich
336930 | Zig:19   | Noticed a dread lich
336930 | Zig:19   | Noticed a dread lich
336930 | Zig:19   | Noticed an ancient lich
336930 | Zig:19   | Noticed a dread lich
336930 | Zig:19   | Noticed a dread lich
336930 | Zig:19   | Noticed a dread lich
336930 | Zig:19   | Noticed an ancient lich
336931 | Zig:19   | Killed a dread lich
336931 | Zig:19   | Killed a dread lich
336931 | Zig:19   | Killed an ancient lich
336931 | Zig:19   | Killed a dread lich
336931 | Zig:19   | Killed an ancient lich
336931 | Zig:19   | Killed a dread lich
336931 | Zig:19   | Killed a dread lich
336931 | Zig:19   | Killed an ancient lich
336931 | Zig:19   | Killed a dread lich
336933 | Zig:19   | Noticed a dread lich
336933 | Zig:19   | Noticed an ancient lich
336933 | Zig:19   | Noticed a dread lich
336933 | Zig:19   | Noticed a dread lich
336934 | Zig:19   | Noticed a dread lich
336934 | Zig:19   | Noticed a dread lich
336934 | Zig:19   | Noticed a dread lich
336934 | Zig:19   | Noticed an ancient lich
336935 | Zig:19   | Killed a dread lich
336936 | Zig:19   | Noticed an ancient lich
336936 | Zig:19   | Noticed a dread lich
336936 | Zig:19   | Noticed a dread lich
336936 | Zig:19   | Killed an ancient lich
336936 | Zig:19   | Killed an ancient lich
336937 | Zig:19   | Noticed a dread lich
336937 | Zig:19   | Killed a dread lich
336937 | Zig:19   | Killed an ancient lich
336937 | Zig:19   | Killed a dread lich
336937 | Zig:19   | Killed a dread lich
336937 | Zig:19   | Killed a dread lich
336937 | Zig:19   | Killed a dread lich
336937 | Zig:19   | Killed a dread lich
336937 | Zig:19   | Killed a dread lich
336937 | Zig:19   | Killed an ancient lich
336937 | Zig:19   | Noticed a dread lich
336937 | Zig:19   | Noticed an ancient lich
336937 | Zig:19   | Noticed a dread lich
336938 | Zig:19   | Noticed an ancient lich
336938 | Zig:19   | Noticed a dread lich
336938 | Zig:19   | Killed an ancient lich
336938 | Zig:19   | Killed a dread lich
336939 | Zig:19   | Noticed an ancient lich
336939 | Zig:19   | Noticed an ancient lich
336939 | Zig:19   | Noticed a dread lich
336939 | Zig:19   | Noticed a dread lich
336939 | Zig:19   | Noticed a dread lich
336939 | Zig:19   | Killed a dread lich
336939 | Zig:19   | Killed an ancient lich
336939 | Zig:19   | Noticed an ancient lich
336939 | Zig:19   | Noticed an ancient lich
336940 | Zig:19   | Noticed a dread lich
336940 | Zig:19   | Noticed an ancient lich
336940 | Zig:19   | Killed a dread lich
336941 | Zig:19   | Noticed a dread lich
336942 | Zig:19   | Noticed an ancient lich
336943 | Zig:19   | Noticed an ancient lich
336943 | Zig:19   | Noticed a dread lich
336943 | Zig:19   | Noticed an ancient lich
336944 | Zig:19   | Killed an ancient lich
336944 | Zig:19   | Killed a dread lich
336944 | Zig:19   | Killed a dread lich
336944 | Zig:19   | Killed a dread lich
336944 | Zig:19   | Killed an ancient lich
336944 | Zig:19   | Killed a dread lich
336944 | Zig:19   | Killed an ancient lich
336944 | Zig:19   | Killed an ancient lich
336944 | Zig:19   | Killed an ancient lich
336944 | Zig:19   | Killed an ancient lich
336944 | Zig:19   | Killed a dread lich
336944 | Zig:19   | Noticed a dread lich
336945 | Zig:19   | Noticed an ancient lich
336945 | Zig:19   | Noticed an ancient lich
336945 | Zig:19   | Noticed a dread lich
336945 | Zig:19   | Noticed a dread lich
336947 | Zig:19   | Noticed a dread lich
336948 | Zig:19   | Noticed an ancient lich
336949 | Zig:19   | Killed a dread lich
336949 | Zig:19   | Killed an ancient lich
336949 | Zig:19   | Killed an ancient lich
336949 | Zig:19   | Killed an ancient lich
336949 | Zig:19   | Killed an ancient lich
336949 | Zig:19   | Killed a dread lich
336949 | Zig:19   | Noticed an ancient lich
336950 | Zig:19   | Noticed an ancient lich
336950 | Zig:19   | Noticed an ancient lich
336950 | Zig:19   | Noticed an ancient lich
336951 | Zig:19   | Killed a dread lich
336951 | Zig:19   | Killed a dread lich
336951 | Zig:19   | Killed a dread lich
336951 | Zig:19   | Killed an ancient lich
336951 | Zig:19   | Killed a dread lich
336951 | Zig:19   | Killed an ancient lich
336951 | Zig:19   | Killed a dread lich
336951 | Zig:19   | Killed an ancient lich
336951 | Zig:19   | Killed a dread lich
336951 | Zig:19   | Killed an ancient lich
336951 | Zig:19   | Killed an ancient lich
336951 | Zig:19   | Killed an ancient lich
336951 | Zig:19   | Noticed an ancient lich
336952 | Zig:19   | Noticed an ancient lich
336953 | Zig:19   | Noticed a dread lich
336953 | Zig:19   | Noticed an ancient lich
336953 | Zig:19   | Noticed an ancient lich
336953 | Zig:19   | Noticed a dread lich
336953 | Zig:19   | Noticed a dread lich
336954 | Zig:19   | Noticed an ancient lich
336954 | Zig:19   | Noticed an ancient lich
336954 | Zig:19   | Noticed an ancient lich
336955 | Zig:19   | Noticed a dread lich
336955 | Zig:19   | Noticed a dread lich
336955 | Zig:19   | Noticed an ancient lich
336955 | Zig:19   | Noticed an ancient lich
336956 | Zig:19   | Noticed a dread lich
336956 | Zig:19   | Noticed a dread lich
336957 | Zig:19   | Killed an ancient lich
336957 | Zig:19   | Killed a dread lich
336957 | Zig:19   | Killed an ancient lich
336957 | Zig:19   | Killed an ancient lich
336957 | Zig:19   | Killed an ancient lich
336957 | Zig:19   | Killed an ancient lich
336957 | Zig:19   | Killed an ancient lich
336957 | Zig:19   | Noticed a dread lich
336958 | Zig:19   | Noticed a dread lich
336958 | Zig:19   | Killed an ancient lich
336958 | Zig:19   | Killed a dread lich
336958 | Zig:19   | Killed a dread lich
336958 | Zig:19   | Noticed a dread lich
336959 | Zig:19   | Noticed a dread lich
336959 | Zig:19   | Noticed an ancient lich
336959 | Zig:19   | Noticed a dread lich
336959 | Zig:19   | Killed an ancient lich
336960 | Zig:19   | Noticed a dread lich
336960 | Zig:19   | Noticed an ancient lich
336960 | Zig:19   | Killed a dread lich
336960 | Zig:19   | Killed a dread lich
336960 | Zig:19   | Killed a dread lich
336961 | Zig:19   | Killed an ancient lich
336961 | Zig:19   | Killed a dread lich
336961 | Zig:19   | Killed a dread lich
336961 | Zig:19   | Killed a dread lich
336961 | Zig:19   | Killed an ancient lich
336961 | Zig:19   | Killed an ancient lich
336961 | Zig:19   | Killed a dread lich
336962 | Zig:19   | Noticed an ancient lich
336963 | Zig:19   | Noticed a dread lich
336963 | Zig:19   | Noticed an ancient lich
336965 | Zig:19   | Killed a dread lich
336965 | Zig:19   | Killed a dread lich
336965 | Zig:19   | Killed a dread lich
336969 | Zig:19   | Killed an ancient lich
336972 | Zig:19   | Killed a dread lich
336972 | Zig:19   | Killed an ancient lich
336972 | Zig:19   | Killed an ancient lich
337165 | Zig:19   | Identified the ring of Pessimism {Str+6 Int+6}
337167 | Zig:19   | Identified the +7 whip "Azochah" {pain, rPois rF+}
337175 | Zig:19   | Identified the amulet of Cykkuati {Spirit rElec rPois
                  | Will++ Dex-3}
337184 | Zig:19   | Identified the +7 sling of Jepho {elec, *Slow Fly rPois
                  | rCorr}
337192 | Zig:19   | Identified the staff of death "Tianwof" {rC++ rN+ Will-
                  | Int+5}
337200 | Zig:19   | Identified the +6 morningstar "Viovuc" {venom, Contam Str+4
                  | Dex+2}
337208 | Zig:19   | Identified the staff of earth "Jybremok" {rPois Str+6}
337212 | Zig:19   | Identified the staff of earth "Jefyes" {Int+7 Dex+3 Stlth+}
337232 | Zig:19   | Identified the +8 rapier "Jelly's Demise" {venom, rElec
                  | Int+5}
337237 | Zig:19   | Identified the staff of death "Solusal" {rN+ Int+3}
337241 | Zig:19   | Identified the +0 great sword "Utatyl Xinee" {spect, Str+4}
337257 | Zig:19   | Identified the staff of air "Sots" {Contam rElec rC++}
337277 | Zig:19   | Identified the +5 hand axe of the Lost Brambles {heavy,
                  | rElec Will++ MP-9 Int+4}
337286 | Zig:19   | Identified the ring of Abstinence {Fly rC+ Str+3 Int+3}
337287 | Zig:19   | Identified the ring "Miunk" {Will+ Stlth+}
337291 | Zig:19   | Identified the +4 great sword "Gic Futi" {heavy, rElec
                  | rPois rF- Dex+6}
337885 | Zig:20   | Entered Level 20 of a ziggurat
338704 | Zig:20   | Identified the staff of death "Gifa" {rN+ Str+2}
338710 | Zig:20   | Identified the ring "Pooriop" {rF+ rC++ rN+ Will+}
338714 | Zig:20   | Identified the amulet "Nich" {Acrobat rF+ rC+ Str+3 Int+4}
338753 | Zig:20   | Identified the +4 rapier of Zuteorgho {speed, +Blink rPois
                  | Int+2}
338757 | Zig:20   | Identified the amulet of the Everdark {RegenMP Str+3
                  | Stlth+}
338760 | Zig:20   | Identified the +5 ring mail "Xiwucsaac" {rPois rC+ Will++
                  | Int+3}
338761 | Zig:20   | Identified the staff of death "Dameje" {rElec rC- rN+
                  | Dex+3}
338768 | Zig:20   | Identified the amulet of Wiuqoc {RegenMP rPois rN+++ Will-
                  | Stlth+}
338774 | Zig:20   | Identified the staff of air "Tecvunn" {*Corrode Fragile
                  | rElec rC+++ SInv}
338845 | Zig:21   | Entered Level 21 of a ziggurat
338893 | Zig:21   | Identified the scarf "Mehenime" {shadows, Harm Dex-2 SInv}
339050 | Zig:21   | Identified the +9 long sword of the Terrible God {drain,
                  | rF+ Will+ Dex+2}
339169 | Zig:21   | Identified the ring of Reseaka {rN+++ AC+4 Str-2 Int+4}
339186 | Zig:21   | Identified the staff of poison "Ziprak" {rPois rF+}
339199 | Zig:21   | Identified the staff of death "Pofriurgh" {rN+ Int+2}
339215 | Zig:21   | Identified the +6 chain mail "Qilirhoj" {rPois rC- Int+4
                  | Dex+2}
339217 | Zig:21   | Identified the +0 dagger of the Radish {freeze, *Noise
                  | rElec rN+}
339232 | Zig:21   | Identified the staff of conjuration "Heruadd" {Str-2 Int+4
                  | SInv}
339233 | Zig:21   | Identified the +6 halberd "Qorchem" {freeze, rF+}
339240 | Zig:21   | Identified the +12 demon blade of Zimooje {drain, *Noise
                  | *Slow +Blink Str+6}
339245 | Zig:21   | Identified the +5 morningstar of Lorchug {freeze, rN++}
339260 | Zig:21   | Identified the +5 short sword of the Lame Duck {venom, rC+}
339267 | Zig:21   | Identified the staff of conjuration "Runkis Miohi" {Str+2
                  | Dex+3 Stlth-}
339927 | Zig:22   | Entered Level 22 of a ziggurat
339927 | Zig:22   | Noticed a juggernaut
339927 | Zig:22   | Noticed a juggernaut
339927 | Zig:22   | Noticed a juggernaut
339927 | Zig:22   | Noticed a juggernaut
339927 | Zig:22   | Noticed a juggernaut
339927 | Zig:22   | Noticed a juggernaut
339927 | Zig:22   | Noticed a juggernaut
339927 | Zig:22   | Noticed a juggernaut
339927 | Zig:22   | Noticed a juggernaut
339927 | Zig:22   | Noticed a juggernaut
339928 | Zig:22   | Killed a juggernaut
339928 | Zig:22   | Killed a juggernaut
339928 | Zig:22   | Killed a juggernaut
339928 | Zig:22   | Killed a juggernaut
339928 | Zig:22   | Killed a juggernaut
339928 | Zig:22   | Killed a juggernaut
339928 | Zig:22   | Killed a juggernaut
339928 | Zig:22   | Killed a juggernaut
339928 | Zig:22   | Killed a juggernaut
339929 | Zig:22   | Noticed a juggernaut
339930 | Zig:22   | Noticed a juggernaut
339931 | Zig:22   | Noticed a juggernaut
339931 | Zig:22   | Noticed a juggernaut
339933 | Zig:22   | Noticed a juggernaut
339934 | Zig:22   | Noticed a juggernaut
339934 | Zig:22   | Noticed a juggernaut
339934 | Zig:22   | Noticed a juggernaut
339934 | Zig:22   | Noticed a juggernaut
339935 | Zig:22   | Noticed a juggernaut
339935 | Zig:22   | Noticed a juggernaut
339935 | Zig:22   | Noticed a juggernaut
339935 | Zig:22   | Noticed a juggernaut
339935 | Zig:22   | Noticed a juggernaut
339935 | Zig:22   | Killed a juggernaut
339935 | Zig:22   | Killed a juggernaut
339936 | Zig:22   | Noticed a juggernaut
339936 | Zig:22   | Killed a juggernaut
339937 | Zig:22   | Noticed a juggernaut
339937 | Zig:22   | Noticed a juggernaut
339937 | Zig:22   | Noticed a juggernaut
339937 | Zig:22   | Noticed a juggernaut
339937 | Zig:22   | Killed a juggernaut
339938 | Zig:22   | Noticed a juggernaut
339938 | Zig:22   | Noticed a juggernaut
339939 | Zig:22   | Noticed a juggernaut
339939 | Zig:22   | Noticed a juggernaut
339940 | Zig:22   | Noticed a juggernaut
339941 | Zig:22   | Noticed a juggernaut
339942 | Zig:22   | Noticed a juggernaut
339942 | Zig:22   | Killed a juggernaut
339942 | Zig:22   | Killed a juggernaut
339942 | Zig:22   | Killed a juggernaut
339942 | Zig:22   | Killed a juggernaut
339942 | Zig:22   | Killed a juggernaut
339942 | Zig:22   | Killed a juggernaut
339942 | Zig:22   | Killed a juggernaut
339942 | Zig:22   | Killed a juggernaut
339942 | Zig:22   | Killed a juggernaut
339942 | Zig:22   | Killed a juggernaut
339942 | Zig:22   | Killed a juggernaut
339943 | Zig:22   | Noticed a juggernaut
339944 | Zig:22   | Killed a juggernaut
339944 | Zig:22   | Noticed a juggernaut
339945 | Zig:22   | Killed a juggernaut
339945 | Zig:22   | Killed a juggernaut
339945 | Zig:22   | Killed a juggernaut
339945 | Zig:22   | Killed a juggernaut
339945 | Zig:22   | Killed a juggernaut
339945 | Zig:22   | Killed a juggernaut
339945 | Zig:22   | Killed a juggernaut
339945 | Zig:22   | Killed a juggernaut
339945 | Zig:22   | Killed a juggernaut
339945 | Zig:22   | Killed a juggernaut
339945 | Zig:22   | Killed a juggernaut
339945 | Zig:22   | Killed a juggernaut
339946 | Zig:22   | Noticed a juggernaut
339946 | Zig:22   | Noticed a juggernaut
339946 | Zig:22   | Noticed a juggernaut
339947 | Zig:22   | Noticed a juggernaut
339947 | Zig:22   | Noticed a juggernaut
339947 | Zig:22   | Noticed a juggernaut
339948 | Zig:22   | Noticed a juggernaut
339950 | Zig:22   | Noticed a juggernaut
339950 | Zig:22   | Noticed a juggernaut
339950 | Zig:22   | Noticed a juggernaut
339950 | Zig:22   | Noticed a juggernaut
339950 | Zig:22   | Noticed a juggernaut
339953 | Zig:22   | Killed a juggernaut
339954 | Zig:22   | Noticed a juggernaut
339955 | Zig:22   | Noticed a juggernaut
339955 | Zig:22   | Noticed a juggernaut
339955 | Zig:22   | Killed a juggernaut
339955 | Zig:22   | Killed a juggernaut
339956 | Zig:22   | Noticed a juggernaut
339956 | Zig:22   | Killed a juggernaut
339956 | Zig:22   | Killed a juggernaut
339957 | Zig:22   | Noticed a juggernaut
339957 | Zig:22   | Killed a juggernaut
339957 | Zig:22   | Killed a juggernaut
339958 | Zig:22   | Noticed a juggernaut
339958 | Zig:22   | Noticed a juggernaut
339958 | Zig:22   | Noticed a juggernaut
339958 | Zig:22   | Killed a juggernaut
339958 | Zig:22   | Killed a juggernaut
339962 | Zig:22   | Killed a juggernaut
339962 | Zig:22   | Killed a juggernaut
339962 | Zig:22   | Killed a juggernaut
339962 | Zig:22   | Killed a juggernaut
339962 | Zig:22   | Killed a juggernaut
339962 | Zig:22   | Noticed a juggernaut
339963 | Zig:22   | Killed a juggernaut
339963 | Zig:22   | Killed a juggernaut
339963 | Zig:22   | Killed a juggernaut
339963 | Zig:22   | Killed a juggernaut
339963 | Zig:22   | Killed a juggernaut
339963 | Zig:22   | Killed a juggernaut
339969 | Zig:22   | Killed a juggernaut
339975 | Zig:22   | Killed a juggernaut
339985 | Zig:22   | Identified the ring "Vuep Zab" {rF+ rC++}
340632 | Zig:22   | Identified the +5 spear of the Enfolding Gods {flame, Will+
                  | Int-3 Dex+2}
340634 | Zig:22   | Identified the +4 battleaxe "Uclarghil" {venom, Str+3}
340641 | Zig:22   | Identified the +5 battleaxe of Dim Light {heavy, Dex+3}
340658 | Zig:22   | Identified the +6 mace of Inflation {drain, Int+2}
340660 | Zig:22   | Identified the +5 chain mail "Aclaup" {rC+ Str-5 Slay+2}
340678 | Zig:22   | Identified the +0 chain mail of Hangman {Rampage Regen+
                  | Int-2 SInv}
340746 | Zig:22   | Identified the +1 trident "Fanlig" {heavy, rElec rPois
                  | rCorr Int-3}
340762 | Zig:22   | Identified the amulet of Disaster {Acrobat -Tele Regen+
                  | Str+3}
340770 | Zig:22   | Identified the staff of fire "Pyecam" {Fragile rF+ rC++
                  | Str+2 SInv}
340784 | Zig:22   | Identified the +7 great sword of Waoriul {heavy, *Noise rC+
                  | Stlth+}
340790 | Zig:22   | Identified the +1 pair of boots of Refuge {rF+ Will+ Str+3
                  | Stlth+}
340795 | Zig:22   | Identified the +0 leather armour of the Sparrow {Str+5}
340809 | Zig:22   | Identified the staff of conjuration "Vorucroudd" {rPois}
340819 | Zig:22   | Identified the amulet of Furreuxe {Faith rF+ Dex+3}
340840 | Zig:22   | Identified the +1 flail "Esuulacler" {holy, *Rage rN+
                  | Stlth+}
340847 | Zig:22   | Identified the +0 long sword of Fixation {freeze, Contam
                  | +Blink rElec rPois}
340857 | Zig:22   | Identified the +5 falchion of Ehumu {flame, rElec rPois
                  | Will- Dex+5}
340861 | Zig:22   | Identified the +11 rapier of Qumnu {heavy, rN+ Dex+3}
340922 | Zig:23   | Entered Level 23 of a ziggurat
340922 | Zig:23   | Noticed Loejeaq the pandemonium lord
340922 | Zig:23   | Noticed Menar the pandemonium lord
340922 | Zig:23   | Noticed Owoujedgh the pandemonium lord
340922 | Zig:23   | Noticed Kied the pandemonium lord
340922 | Zig:23   | Noticed Aschibac the pandemonium lord
340922 | Zig:23   | Noticed Opna the pandemonium lord
340922 | Zig:23   | Noticed Kanuogh the pandemonium lord
340922 | Zig:23   | Noticed Pats the pandemonium lord
340922 | Zig:23   | Noticed Tomap the pandemonium lord
340922 | Zig:23   | Noticed Niotwuh the pandemonium lord
340922 | Zig:23   | Noticed Ofaytupt the pandemonium lord
340922 | Zig:23   | Noticed Hinih the pandemonium lord
340922 | Zig:23   | Noticed Pamup the pandemonium lord
340922 | Zig:23   | Noticed Gukhojag the pandemonium lord
340922 | Zig:23   | Noticed Voicih the pandemonium lord
340922 | Zig:23   | Noticed Donaakua the pandemonium lord
340922 | Zig:23   | Noticed Suty the pandemonium lord
340922 | Zig:23   | Noticed Qugitzisk the pandemonium lord
340922 | Zig:23   | Noticed Exeesmomn the pandemonium lord
340922 | Zig:23   | Noticed Ibois the pandemonium lord
340922 | Zig:23   | Noticed Buwn the pandemonium lord
340922 | Zig:23   | Noticed Uhizxea the pandemonium lord
340922 | Zig:23   | Noticed Soin the pandemonium lord
340922 | Zig:23   | Noticed Xisoelir the pandemonium lord
340922 | Zig:23   | Noticed Jafeb the pandemonium lord
340922 | Zig:23   | Noticed Otobryjy the pandemonium lord
340922 | Zig:23   | Noticed Xessup the pandemonium lord
340922 | Zig:23   | Noticed Wyleischa the pandemonium lord
340922 | Zig:23   | Noticed Opiluxad the pandemonium lord
340922 | Zig:23   | Noticed Cemiepee the pandemonium lord
340922 | Zig:23   | Noticed Hoymuxicw the pandemonium lord
340922 | Zig:23   | Noticed Hepef the pandemonium lord
340922 | Zig:23   | Noticed Umavveve the pandemonium lord
340922 | Zig:23   | Noticed Lisaute the pandemonium lord
340922 | Zig:23   | Noticed Piudgh the pandemonium lord
340922 | Zig:23   | Noticed Noawapp the pandemonium lord
340922 | Zig:23   | Noticed Xocem the pandemonium lord
340922 | Zig:23   | Noticed Ilaugroc the pandemonium lord
340922 | Zig:23   | Noticed Zopanot the pandemonium lord
340922 | Zig:23   | Noticed Kabuiri the pandemonium lord
340922 | Zig:23   | Noticed Imuelo the pandemonium lord
340922 | Zig:23   | Noticed Dotul the pandemonium lord
340922 | Zig:23   | Noticed Jekh the pandemonium lord
340922 | Zig:23   | Noticed Efegg the pandemonium lord
340922 | Zig:23   | Noticed Woevomp the pandemonium lord
340922 | Zig:23   | Noticed Qonyoruss the pandemonium lord
340922 | Zig:23   | Noticed Lorphask the pandemonium lord
340922 | Zig:23   | Noticed Etahutys the pandemonium lord
340922 | Zig:23   | Noticed Rien the pandemonium lord
340922 | Zig:23   | Noticed Coasm the pandemonium lord
340923 | Zig:23   | Killed Pats the pandemonium lord
340923 | Zig:23   | Killed Hinih the pandemonium lord
340923 | Zig:23   | Killed Exeesmomn the pandemonium lord
340923 | Zig:23   | Killed Tomap the pandemonium lord
340923 | Zig:23   | Killed Soin the pandemonium lord
340923 | Zig:23   | Killed Otobryjy the pandemonium lord
340923 | Zig:23   | Killed Uhizxea the pandemonium lord
340923 | Zig:23   | Killed Xessup the pandemonium lord
340923 | Zig:23   | Killed Ibois the pandemonium lord
340923 | Zig:23   | Killed Xisoelir the pandemonium lord
340923 | Zig:23   | Killed Wyleischa the pandemonium lord
340923 | Zig:23   | Killed Cemiepee the pandemonium lord
340923 | Zig:23   | Killed Umavveve the pandemonium lord
340923 | Zig:23   | Killed Rien the pandemonium lord
340923 | Zig:23   | Killed Imuelo the pandemonium lord
340923 | Zig:23   | Killed Qugitzisk the pandemonium lord
340923 | Zig:23   | Killed Noawapp the pandemonium lord
340924 | Zig:23   | Noticed Jatif the pandemonium lord
340924 | Zig:23   | Noticed Yfariluh the pandemonium lord
340925 | Zig:23   | Killed Dotul the pandemonium lord
340925 | Zig:23   | Killed Jekh the pandemonium lord
340925 | Zig:23   | Killed Kabuiri the pandemonium lord
340925 | Zig:23   | Killed Piudgh the pandemonium lord
340925 | Zig:23   | Killed Ofaytupt the pandemonium lord
340925 | Zig:23   | Killed Loejeaq the pandemonium lord
340925 | Zig:23   | Killed Owoujedgh the pandemonium lord
340925 | Zig:23   | Killed Gukhojag the pandemonium lord
340925 | Zig:23   | Noticed Ythroew the pandemonium lord
340925 | Zig:23   | Noticed Lehuil the pandemonium lord
340925 | Zig:23   | Noticed Tuwkits the pandemonium lord
340926 | Zig:23   | Noticed Yruet the pandemonium lord
340926 | Zig:23   | Killed Ilaugroc the pandemonium lord
340926 | Zig:23   | Killed Xocem the pandemonium lord
340926 | Zig:23   | Killed Lorphask the pandemonium lord
340926 | Zig:23   | Killed Etahutys the pandemonium lord
340926 | Zig:23   | Killed Lisaute the pandemonium lord
340926 | Zig:23   | Killed Suty the pandemonium lord
340926 | Zig:23   | Killed Kied the pandemonium lord
340926 | Zig:23   | Killed Menar the pandemonium lord
340926 | Zig:23   | Killed Qonyoruss the pandemonium lord
340926 | Zig:23   | Killed Yfariluh the pandemonium lord
340926 | Zig:23   | Killed Buwn the pandemonium lord
340926 | Zig:23   | Noticed Dewnud the pandemonium lord
340926 | Zig:23   | Noticed Ijeuwod the pandemonium lord
340926 | Zig:23   | Noticed Ihill the pandemonium lord
340927 | Zig:23   | Killed Niotwuh the pandemonium lord
340927 | Zig:23   | Killed Hepef the pandemonium lord
340927 | Zig:23   | Killed Opna the pandemonium lord
340927 | Zig:23   | Killed Jatif the pandemonium lord
340927 | Zig:23   | Killed Zopanot the pandemonium lord
340927 | Zig:23   | Killed Opiluxad the pandemonium lord
340927 | Zig:23   | Killed Aschibac the pandemonium lord
340927 | Zig:23   | Noticed Giapif the pandemonium lord
340927 | Zig:23   | Noticed Tadupl Dilia the pandemonium lord
340928 | Zig:23   | Noticed Toikkole the pandemonium lord
340928 | Zig:23   | Noticed Ixyqaegy the pandemonium lord
340928 | Zig:23   | Noticed Feuj the pandemonium lord
340929 | Zig:23   | Killed Pamup the pandemonium lord
340929 | Zig:23   | Killed Efegg the pandemonium lord
340929 | Zig:23   | Killed Woevomp the pandemonium lord
340929 | Zig:23   | Killed Donaakua the pandemonium lord
340929 | Zig:23   | Killed Jafeb the pandemonium lord
340929 | Zig:23   | Killed Voicih the pandemonium lord
340929 | Zig:23   | Killed Dewnud the pandemonium lord
340929 | Zig:23   | Killed Ihill the pandemonium lord
340929 | Zig:23   | Killed Tadupl Dilia the pandemonium lord
340929 | Zig:23   | Killed Hoymuxicw the pandemonium lord
340929 | Zig:23   | Noticed Nuschaikh the pandemonium lord
340930 | Zig:23   | Killed Giapif the pandemonium lord
340930 | Zig:23   | Killed Yruet the pandemonium lord
340930 | Zig:23   | Killed Kanuogh the pandemonium lord
340930 | Zig:23   | Killed Coasm the pandemonium lord
340930 | Zig:23   | Killed Tuwkits the pandemonium lord
340930 | Zig:23   | Killed Lehuil the pandemonium lord
340930 | Zig:23   | Killed Feuj the pandemonium lord
340930 | Zig:23   | Killed Ijeuwod the pandemonium lord
340930 | Zig:23   | Noticed Zautzac the pandemonium lord
340930 | Zig:23   | Noticed Huwownib the pandemonium lord
340930 | Zig:23   | Noticed Luzuureq the pandemonium lord
340931 | Zig:23   | Killed Ythroew the pandemonium lord
340931 | Zig:23   | Noticed Meaqull the pandemonium lord
340932 | Zig:23   | Noticed Qydwos the pandemonium lord
340932 | Zig:23   | Noticed Ucippi the pandemonium lord
340932 | Zig:23   | Noticed Kugroq the pandemonium lord
340933 | Zig:23   | Killed Ixyqaegy the pandemonium lord
340933 | Zig:23   | Noticed Xaowaari the pandemonium lord
340933 | Zig:23   | Noticed Duwaip Saof the pandemonium lord
340933 | Zig:23   | Noticed Joron the pandemonium lord
340934 | Zig:23   | Noticed Surhuil the pandemonium lord
340934 | Zig:23   | Noticed Ympeukk the pandemonium lord
340936 | Zig:23   | Killed Kugroq the pandemonium lord
340936 | Zig:23   | Killed Huwownib the pandemonium lord
340936 | Zig:23   | Noticed Guhat the pandemonium lord
340937 | Zig:23   | Noticed Juzo the pandemonium lord
340937 | Zig:23   | Killed Zautzac the pandemonium lord
340937 | Zig:23   | Killed Xaowaari the pandemonium lord
340937 | Zig:23   | Noticed Wijib the pandemonium lord
340937 | Zig:23   | Noticed Qurra the pandemonium lord
340938 | Zig:23   | Noticed Ajedurug the pandemonium lord
340939 | Zig:23   | Killed Luzuureq the pandemonium lord
340939 | Zig:23   | Killed Toikkole the pandemonium lord
340939 | Zig:23   | Killed Ucippi the pandemonium lord
340939 | Zig:23   | Killed Nuschaikh the pandemonium lord
340939 | Zig:23   | Noticed Qaehaog the pandemonium lord
340939 | Zig:23   | Noticed Fahorhes the pandemonium lord
340940 | Zig:23   | Noticed Tacliraf the pandemonium lord
340941 | Zig:23   | Noticed Birih the pandemonium lord
340941 | Zig:23   | Killed Joron the pandemonium lord
340941 | Zig:23   | Killed Guhat the pandemonium lord
340941 | Zig:23   | Killed Qydwos the pandemonium lord
340941 | Zig:23   | Killed Duwaip Saof the pandemonium lord
340941 | Zig:23   | Noticed Suihuinn the pandemonium lord
340941 | Zig:23   | Noticed Ewkimusk the pandemonium lord
340942 | Zig:23   | Noticed Xyepn the pandemonium lord
340942 | Zig:23   | Noticed Luschiq the pandemonium lord
340942 | Zig:23   | Noticed Ciad the pandemonium lord
340942 | Zig:23   | Noticed Oskengui the pandemonium lord
340942 | Zig:23   | Noticed Kosakk the pandemonium lord
340943 | Zig:23   | Noticed Deucesk the pandemonium lord
340943 | Zig:23   | Killed Juzo the pandemonium lord
340943 | Zig:23   | Killed Wijib the pandemonium lord
340943 | Zig:23   | Killed Surhuil the pandemonium lord
340943 | Zig:23   | Noticed Rossam the pandemonium lord
340944 | Zig:23   | Noticed Xebekoan the pandemonium lord
340944 | Zig:23   | Noticed Jared the pandemonium lord
340944 | Zig:23   | Killed Qurra the pandemonium lord
340944 | Zig:23   | Killed Ajedurug the pandemonium lord
340944 | Zig:23   | Killed Birih the pandemonium lord
340944 | Zig:23   | Killed Qaehaog the pandemonium lord
340944 | Zig:23   | Noticed Qoluc the pandemonium lord
340944 | Zig:23   | Noticed Woegiagi the pandemonium lord
340945 | Zig:23   | Noticed Nozxasy the pandemonium lord
340945 | Zig:23   | Noticed Qulituh the pandemonium lord
340945 | Zig:23   | Killed Ympeukk the pandemonium lord
340946 | Zig:23   | Killed Tacliraf the pandemonium lord
340946 | Zig:23   | Noticed Vucwiaxa the pandemonium lord
340946 | Zig:23   | Noticed Cuhuttenk the pandemonium lord
340947 | Zig:23   | Noticed Lasaoff the pandemonium lord
340947 | Zig:23   | Noticed Erafiuno the pandemonium lord
340948 | Zig:23   | Killed Woegiagi the pandemonium lord
340948 | Zig:23   | Killed Suihuinn the pandemonium lord
340948 | Zig:23   | Killed Ewkimusk the pandemonium lord
340949 | Zig:23   | Killed Xyepn the pandemonium lord
340949 | Zig:23   | Killed Deucesk the pandemonium lord
340949 | Zig:23   | Killed Ciad the pandemonium lord
340949 | Zig:23   | Killed Rossam the pandemonium lord
340949 | Zig:23   | Noticed Ohawke Veij the pandemonium lord
340949 | Zig:23   | Noticed Robuh the pandemonium lord
340949 | Zig:23   | Noticed Vomarr the pandemonium lord
340949 | Zig:23   | Noticed Yskiuff the pandemonium lord
340950 | Zig:23   | Killed Oskengui the pandemonium lord
340950 | Zig:23   | Killed Nozxasy the pandemonium lord
340952 | Zig:23   | Killed Jared the pandemonium lord
340952 | Zig:23   | Killed Luschiq the pandemonium lord
340952 | Zig:23   | Noticed Ezia the pandemonium lord
340953 | Zig:23   | Killed Qulituh the pandemonium lord
340953 | Zig:23   | Killed Vucwiaxa the pandemonium lord
340953 | Zig:23   | Noticed Nonlot the pandemonium lord
340953 | Zig:23   | Noticed Fosao the pandemonium lord
340954 | Zig:23   | Noticed Wiosm the pandemonium lord
340955 | Zig:23   | Noticed Rediubb the pandemonium lord
340955 | Zig:23   | Noticed Arphaoqez the pandemonium lord
340955 | Zig:23   | Killed Lasaoff the pandemonium lord
340955 | Zig:23   | Killed Fahorhes the pandemonium lord
340955 | Zig:23   | Noticed Jefoack the pandemonium lord
340956 | Zig:23   | Noticed Ululest the pandemonium lord
340958 | Zig:23   | Killed Xebekoan the pandemonium lord
340958 | Zig:23   | Killed Qoluc the pandemonium lord
340959 | Zig:23   | Killed Cuhuttenk the pandemonium lord
340959 | Zig:23   | Killed Vomarr the pandemonium lord
340959 | Zig:23   | Killed Erafiuno the pandemonium lord
340959 | Zig:23   | Killed Robuh the pandemonium lord
340959 | Zig:23   | Noticed Lixaimoe the pandemonium lord
340959 | Zig:23   | Noticed Osku the pandemonium lord
340960 | Zig:23   | Killed Ezia the pandemonium lord
340960 | Zig:23   | Killed Wiosm the pandemonium lord
340960 | Zig:23   | Killed Rediubb the pandemonium lord
340960 | Zig:23   | Killed Meaqull the pandemonium lord
340960 | Zig:23   | Killed Yskiuff the pandemonium lord
340960 | Zig:23   | Killed Ululest the pandemonium lord
340960 | Zig:23   | Noticed Ocinukk the pandemonium lord
340961 | Zig:23   | Killed Fosao the pandemonium lord
340961 | Zig:23   | Killed Arphaoqez the pandemonium lord
340961 | Zig:23   | Killed Jefoack the pandemonium lord
340961 | Zig:23   | Killed Osku the pandemonium lord
340961 | Zig:23   | Noticed Jawupno the pandemonium lord
340962 | Zig:23   | Noticed Huxywynt the pandemonium lord
340962 | Zig:23   | Killed Kosakk the pandemonium lord
340962 | Zig:23   | Killed Huxywynt the pandemonium lord
340962 | Zig:23   | Noticed Gaeleke the pandemonium lord
340962 | Zig:23   | Noticed Baruryof the pandemonium lord
340962 | Zig:23   | Noticed Matuclatt the pandemonium lord
340964 | Zig:23   | Killed Jawupno the pandemonium lord
340964 | Zig:23   | Noticed Coaruofe the pandemonium lord
340964 | Zig:23   | Noticed Fyile the pandemonium lord
340965 | Zig:23   | Noticed Puesia the pandemonium lord
340965 | Zig:23   | Killed Lixaimoe the pandemonium lord
340965 | Zig:23   | Killed Gaeleke the pandemonium lord
340965 | Zig:23   | Noticed Lasyum the pandemonium lord
340965 | Zig:23   | Noticed Kamymiejina the pandemonium lord
340966 | Zig:23   | Noticed Soulaot the pandemonium lord
340966 | Zig:23   | Noticed Feopaudwil the pandemonium lord
340966 | Zig:23   | Noticed Ahaocra the pandemonium lord
340966 | Zig:23   | Noticed Soess the pandemonium lord
340966 | Zig:23   | Noticed Lamon the pandemonium lord
340967 | Zig:23   | Killed Ocinukk the pandemonium lord
340967 | Zig:23   | Killed Puesia the pandemonium lord
340967 | Zig:23   | Killed Fyile the pandemonium lord
340967 | Zig:23   | Killed Lasyum the pandemonium lord
340967 | Zig:23   | Killed Ohawke Veij the pandemonium lord
340967 | Zig:23   | Noticed Kucatt the pandemonium lord
340968 | Zig:23   | Noticed Qekez the pandemonium lord
340968 | Zig:23   | Noticed Hiuc the pandemonium lord
340968 | Zig:23   | Noticed Vushreda the pandemonium lord
340968 | Zig:23   | Noticed Imuipsuff the pandemonium lord
340968 | Zig:23   | Noticed Luhus the pandemonium lord
340968 | Zig:23   | Noticed Zifeng the pandemonium lord
340969 | Zig:23   | Killed Kamymiejina the pandemonium lord
340969 | Zig:23   | Killed Ahaocra the pandemonium lord
340969 | Zig:23   | Killed Matuclatt the pandemonium lord
340969 | Zig:23   | Killed Nonlot the pandemonium lord
340969 | Zig:23   | Noticed Ymontil the pandemonium lord
340969 | Zig:23   | Noticed Uruihez the pandemonium lord
340969 | Zig:23   | Noticed Liufo the pandemonium lord
340969 | Zig:23   | Noticed Lykuank the pandemonium lord
340970 | Zig:23   | Noticed Udufila the pandemonium lord
340970 | Zig:23   | Killed Coaruofe the pandemonium lord
340970 | Zig:23   | Killed Udufila the pandemonium lord
340970 | Zig:23   | Killed Feopaudwil the pandemonium lord
340970 | Zig:23   | Killed Imuipsuff the pandemonium lord
340970 | Zig:23   | Killed Vushreda the pandemonium lord
340970 | Zig:23   | Noticed Zoirudae the pandemonium lord
340970 | Zig:23   | Noticed Maeracug the pandemonium lord
340971 | Zig:23   | Noticed Noeqyamamp the pandemonium lord
340971 | Zig:23   | Noticed Neisefil the pandemonium lord
340972 | Zig:23   | Killed Kucatt the pandemonium lord
340972 | Zig:23   | Killed Lykuank the pandemonium lord
340972 | Zig:23   | Killed Baruryof the pandemonium lord
340972 | Zig:23   | Killed Qekez the pandemonium lord
340973 | Zig:23   | Noticed Colollall the pandemonium lord
340973 | Zig:23   | Noticed Pavy the pandemonium lord
340973 | Zig:23   | Noticed Rioxesicw the pandemonium lord
340973 | Zig:23   | Killed Soulaot the pandemonium lord
340973 | Zig:23   | Killed Hiuc the pandemonium lord
340973 | Zig:23   | Killed Lamon the pandemonium lord
340973 | Zig:23   | Killed Soess the pandemonium lord
340973 | Zig:23   | Killed Luhus the pandemonium lord
340973 | Zig:23   | Killed Uruihez the pandemonium lord
340973 | Zig:23   | Killed Ymontil the pandemonium lord
340973 | Zig:23   | Noticed Daegraa the pandemonium lord
340973 | Zig:23   | Noticed Dyhoc the pandemonium lord
340973 | Zig:23   | Noticed Oserch the pandemonium lord
340974 | Zig:23   | Noticed Entuegim the pandemonium lord
340974 | Zig:23   | Noticed Taosiot the pandemonium lord
340974 | Zig:23   | Noticed Denu the pandemonium lord
340974 | Zig:23   | Noticed Qabrush the pandemonium lord
340974 | Zig:23   | Noticed Kiecwia the pandemonium lord
340974 | Zig:23   | Killed Qabrush the pandemonium lord
340974 | Zig:23   | Killed Kiecwia the pandemonium lord
340974 | Zig:23   | Killed Zifeng the pandemonium lord
340974 | Zig:23   | Killed Noeqyamamp the pandemonium lord
340975 | Zig:23   | Noticed Urourodgh the pandemonium lord
340975 | Zig:23   | Killed Entuegim the pandemonium lord
340976 | Zig:23   | Noticed Ovuhops the pandemonium lord
340976 | Zig:23   | Killed Rioxesicw the pandemonium lord
340977 | Zig:23   | Killed Taosiot the pandemonium lord
340977 | Zig:23   | Killed Denu the pandemonium lord
340977 | Zig:23   | Killed Maeracug the pandemonium lord
340977 | Zig:23   | Killed Liufo the pandemonium lord
340977 | Zig:23   | Killed Dyhoc the pandemonium lord
340977 | Zig:23   | Noticed Leethrout the pandemonium lord
340979 | Zig:23   | Noticed Hoeqor the pandemonium lord
340980 | Zig:23   | Noticed Poereetuo the pandemonium lord
340981 | Zig:23   | Killed Ovuhops the pandemonium lord
340981 | Zig:23   | Killed Neisefil the pandemonium lord
340981 | Zig:23   | Killed Colollall the pandemonium lord
340981 | Zig:23   | Noticed Pasawab the pandemonium lord
340982 | Zig:23   | Killed Oserch the pandemonium lord
340982 | Zig:23   | Killed Leethrout the pandemonium lord
340982 | Zig:23   | Killed Hoeqor the pandemonium lord
340982 | Zig:23   | Killed Daegraa the pandemonium lord
340982 | Zig:23   | Noticed Evvuet the pandemonium lord
340983 | Zig:23   | Noticed Lusaolo the pandemonium lord
340983 | Zig:23   | Noticed Nuyfe the pandemonium lord
340983 | Zig:23   | Noticed Qeddyrej the pandemonium lord
340983 | Zig:23   | Noticed Saegut the pandemonium lord
340983 | Zig:23   | Noticed Eseante the pandemonium lord
340983 | Zig:23   | Noticed Viqaname the pandemonium lord
340983 | Zig:23   | Killed Urourodgh the pandemonium lord
340983 | Zig:23   | Noticed Dimirus the pandemonium lord
340983 | Zig:23   | Noticed Eckocacw the pandemonium lord
340983 | Zig:23   | Noticed Neze the pandemonium lord
340984 | Zig:23   | Noticed Nuafih the pandemonium lord
340984 | Zig:23   | Killed Pavy the pandemonium lord
340984 | Zig:23   | Noticed Leemiam the pandemonium lord
340984 | Zig:23   | Noticed Houxt the pandemonium lord
340984 | Zig:23   | Noticed Itoy the pandemonium lord
340985 | Zig:23   | Killed Poereetuo the pandemonium lord
340985 | Zig:23   | Noticed Athustif the pandemonium lord
340986 | Zig:23   | Noticed Xizubem the pandemonium lord
340986 | Zig:23   | Noticed Rumo the pandemonium lord
340986 | Zig:23   | Noticed Erynei the pandemonium lord
340987 | Zig:23   | Noticed Pudoa the pandemonium lord
340987 | Zig:23   | Noticed Paosk the pandemonium lord
340987 | Zig:23   | Noticed Mamochoi the pandemonium lord
340988 | Zig:23   | Noticed Nuon the pandemonium lord
340989 | Zig:23   | Noticed Xazxes the pandemonium lord
341001 | Zig:23   | Noticed Yxtigy the pandemonium lord
341001 | Zig:23   | Noticed Uninoit the pandemonium lord
341002 | Zig:23   | Noticed Fatitakoash the pandemonium lord
341003 | Zig:23   | Noticed Dul Cah the pandemonium lord
341004 | Zig:23   | Noticed Cagyxit the pandemonium lord
341005 | Zig:23   | Noticed Akianiur the pandemonium lord
341005 | Zig:23   | Killed Xazxes the pandemonium lord
341005 | Zig:23   | Killed Leemiam the pandemonium lord
341005 | Zig:23   | Killed Itoy the pandemonium lord
341005 | Zig:23   | Killed Evvuet the pandemonium lord
341005 | Zig:23   | Killed Pasawab the pandemonium lord
341005 | Zig:23   | Killed Eckocacw the pandemonium lord
341005 | Zig:23   | Killed Yxtigy the pandemonium lord
341005 | Zig:23   | Killed Saegut the pandemonium lord
341005 | Zig:23   | Killed Paosk the pandemonium lord
341005 | Zig:23   | Killed Nuyfe the pandemonium lord
341005 | Zig:23   | Killed Neze the pandemonium lord
341005 | Zig:23   | Killed Houxt the pandemonium lord
341005 | Zig:23   | Noticed Tenele the pandemonium lord
341005 | Zig:23   | Noticed Yfeif the pandemonium lord
341006 | Zig:23   | Noticed Moxtos the pandemonium lord
341006 | Zig:23   | Killed Nuon the pandemonium lord
341006 | Zig:23   | Killed Erynei the pandemonium lord
341006 | Zig:23   | Killed Tenele the pandemonium lord
341006 | Zig:23   | Killed Fatitakoash the pandemonium lord
341007 | Zig:23   | Noticed Ipanynto the pandemonium lord
341007 | Zig:23   | Noticed Exomeri the pandemonium lord
341008 | Zig:23   | Killed Viqaname the pandemonium lord
341008 | Zig:23   | Noticed Cauweiwn the pandemonium lord
341009 | Zig:23   | Killed Eseante the pandemonium lord
341009 | Zig:23   | Killed Lusaolo the pandemonium lord
341009 | Zig:23   | Killed Qeddyrej the pandemonium lord
341009 | Zig:23   | Killed Pudoa the pandemonium lord
341009 | Zig:23   | Noticed Ifikk the pandemonium lord
341010 | Zig:23   | Killed Cagyxit the pandemonium lord
341010 | Zig:23   | Killed Xaehuoh the pandemonium lord
341010 | Zig:23   | Killed Cauweiwn the pandemonium lord
341010 | Zig:23   | Killed Dul Cah the pandemonium lord
341010 | Zig:23   | Killed Rumo the pandemonium lord
341010 | Zig:23   | Noticed Wypifez the pandemonium lord
341010 | Zig:23   | Noticed Keost the pandemonium lord
341010 | Zig:23   | Noticed Waesmema the pandemonium lord
341011 | Zig:23   | Killed Athustif the pandemonium lord
341011 | Zig:23   | Killed Dimirus the pandemonium lord
341011 | Zig:23   | Killed Uninoit the pandemonium lord
341011 | Zig:23   | Killed Wypifez the pandemonium lord
341011 | Zig:23   | Killed Zoirudae the pandemonium lord
341012 | Zig:23   | Killed Moxtos the pandemonium lord
341012 | Zig:23   | Killed Yfeif the pandemonium lord
341012 | Zig:23   | Killed Exomeri the pandemonium lord
341012 | Zig:23   | Killed Ipanynto the pandemonium lord
341013 | Zig:23   | Noticed Tudwigip the pandemonium lord
341013 | Zig:23   | Noticed Ebokh the pandemonium lord
341013 | Zig:23   | Noticed Umnexoq the pandemonium lord
341013 | Zig:23   | Noticed Ujorch the pandemonium lord
341013 | Zig:23   | Killed Ifikk the pandemonium lord
341014 | Zig:23   | Killed Nuafih the pandemonium lord
341014 | Zig:23   | Noticed Ycreriy the pandemonium lord
341014 | Zig:23   | Noticed Xups the pandemonium lord
341015 | Zig:23   | Noticed Caham the pandemonium lord
341015 | Zig:23   | Noticed Gieng the pandemonium lord
341015 | Zig:23   | Noticed Cokack the pandemonium lord
341015 | Zig:23   | Noticed Ifuf the pandemonium lord
341016 | Zig:23   | Killed Akianiur the pandemonium lord
341016 | Zig:23   | Killed Waesmema the pandemonium lord
341016 | Zig:23   | Killed Keost the pandemonium lord
341016 | Zig:23   | Killed Xizubem the pandemonium lord
341016 | Zig:23   | Noticed Ruhow the pandemonium lord
341016 | Zig:23   | Noticed Noclinkuq the pandemonium lord
341016 | Zig:23   | Noticed Nuar the pandemonium lord
341016 | Zig:23   | Killed Ifuf the pandemonium lord
341016 | Zig:23   | Killed Tudwigip the pandemonium lord
341017 | Zig:23   | Killed Ycreriy the pandemonium lord
341017 | Zig:23   | Killed Caham the pandemonium lord
341017 | Zig:23   | Killed Mamochoi the pandemonium lord
341017 | Zig:23   | Killed Gieng the pandemonium lord
341017 | Zig:23   | Killed Ujorch the pandemonium lord
341017 | Zig:23   | Killed Cokack the pandemonium lord
341017 | Zig:23   | Noticed Mutazesh the pandemonium lord
341017 | Zig:23   | Noticed Muobac the pandemonium lord
341018 | Zig:23   | Killed Xups the pandemonium lord
341018 | Zig:23   | Noticed Moif the pandemonium lord
341018 | Zig:23   | Noticed Fighus the pandemonium lord
341020 | Zig:23   | Noticed Rerrouma the pandemonium lord
341021 | Zig:23   | Noticed Acizuh the pandemonium lord
341021 | Zig:23   | Noticed Porivvoc the pandemonium lord
341021 | Zig:23   | Noticed Loewi the pandemonium lord
341021 | Zig:23   | Noticed Teym the pandemonium lord
341021 | Zig:23   | Noticed Ceaq the pandemonium lord
341021 | Zig:23   | Noticed Herphim the pandemonium lord
341021 | Zig:23   | Noticed Haczeink the pandemonium lord
341021 | Zig:23   | Noticed Josufot the pandemonium lord
341021 | Zig:23   | Noticed Wimut the pandemonium lord
341021 | Zig:23   | Noticed Ifat Cex the pandemonium lord
341022 | Zig:23   | Noticed Tolaj the pandemonium lord
341022 | Zig:23   | Killed Noclinkuq the pandemonium lord
341022 | Zig:23   | Killed Nuar the pandemonium lord
341022 | Zig:23   | Killed Muobac the pandemonium lord
341022 | Zig:23   | Killed Acizuh the pandemonium lord
341022 | Zig:23   | Killed Wimut the pandemonium lord
341022 | Zig:23   | Killed Ceaq the pandemonium lord
341022 | Zig:23   | Killed Ebokh the pandemonium lord
341022 | Zig:23   | Noticed Aschaj the pandemonium lord
341022 | Zig:23   | Noticed Heloel the pandemonium lord
341022 | Zig:23   | Killed Mutazesh the pandemonium lord
341022 | Zig:23   | Noticed Bugeba the pandemonium lord
341022 | Zig:23   | Noticed Dosuca the pandemonium lord
341022 | Zig:23   | Noticed Muihequo the pandemonium lord
341024 | Zig:23   | Noticed Ytzeuz the pandemonium lord
341024 | Zig:23   | Noticed Osumn the pandemonium lord
341024 | Zig:23   | Noticed Sofiewel the pandemonium lord
341024 | Zig:23   | Killed Loewi the pandemonium lord
341024 | Zig:23   | Killed Fighus the pandemonium lord
341024 | Zig:23   | Killed Ruhow the pandemonium lord
341024 | Zig:23   | Killed Bugeba the pandemonium lord
341024 | Zig:23   | Killed Josufot the pandemonium lord
341024 | Zig:23   | Killed Rerrouma the pandemonium lord
341024 | Zig:23   | Killed Muihequo the pandemonium lord
341024 | Zig:23   | Noticed Gexo the pandemonium lord
341025 | Zig:23   | Noticed Vion the pandemonium lord
341025 | Zig:23   | Killed Sofiewel the pandemonium lord
341025 | Zig:23   | Killed Osumn the pandemonium lord
341025 | Zig:23   | Killed Ytzeuz the pandemonium lord
341025 | Zig:23   | Killed Moif the pandemonium lord
341025 | Zig:23   | Killed Porivvoc the pandemonium lord
341025 | Zig:23   | Killed Haczeink the pandemonium lord
341025 | Zig:23   | Killed Ifat Cex the pandemonium lord
341025 | Zig:23   | Noticed Fatzitiu the pandemonium lord
341025 | Zig:23   | Noticed Amywk the pandemonium lord
341025 | Zig:23   | Noticed Otogefud the pandemonium lord
341026 | Zig:23   | Killed Heloel the pandemonium lord
341026 | Zig:23   | Killed Tolaj the pandemonium lord
341026 | Zig:23   | Noticed Idatz the pandemonium lord
341026 | Zig:23   | Killed Teym the pandemonium lord
341026 | Zig:23   | Noticed Gypou the pandemonium lord
341027 | Zig:23   | Noticed Plog the pandemonium lord
341027 | Zig:23   | Noticed Borija the pandemonium lord
341027 | Zig:23   | Noticed Tipysk the pandemonium lord
341027 | Zig:23   | Noticed Roygu the pandemonium lord
341027 | Zig:23   | Noticed Wuidwox the pandemonium lord
341028 | Zig:23   | Killed Herphim the pandemonium lord
341028 | Zig:23   | Killed Amywk the pandemonium lord
341028 | Zig:23   | Killed Umnexoq the pandemonium lord
341029 | Zig:23   | Noticed Parch the pandemonium lord
341030 | Zig:23   | Killed Gypou the pandemonium lord
341030 | Zig:23   | Killed Idatz the pandemonium lord
341030 | Zig:23   | Killed Aschaj the pandemonium lord
341030 | Zig:23   | Killed Gexo the pandemonium lord
341030 | Zig:23   | Killed Plog the pandemonium lord
341030 | Zig:23   | Noticed Etyfoora the pandemonium lord
341031 | Zig:23   | Noticed Cymmase the pandemonium lord
341031 | Zig:23   | Noticed Lachaena the pandemonium lord
341031 | Zig:23   | Noticed Lilasaos the pandemonium lord
341031 | Zig:23   | Noticed Worph the pandemonium lord
341032 | Zig:23   | Killed Roygu the pandemonium lord
341032 | Zig:23   | Killed Borija the pandemonium lord
341032 | Zig:23   | Killed Vion the pandemonium lord
341032 | Zig:23   | Noticed Lufiphew the pandemonium lord
341033 | Zig:23   | Noticed Vybean the pandemonium lord
341033 | Zig:23   | Killed Fatzitiu the pandemonium lord
341033 | Zig:23   | Killed Lachaena the pandemonium lord
341033 | Zig:23   | Killed Vybean the pandemonium lord
341033 | Zig:23   | Killed Dosuca the pandemonium lord
341033 | Zig:23   | Killed Lilasaos the pandemonium lord
341033 | Zig:23   | Killed Tipysk the pandemonium lord
341035 | Zig:23   | Noticed Jeitsano the pandemonium lord
341039 | Zig:23   | Killed Worph the pandemonium lord
341041 | Zig:23   | Killed Etyfoora the pandemonium lord
341041 | Zig:23   | Killed Wuidwox the pandemonium lord
341042 | Zig:23   | Killed Cymmase the pandemonium lord
341042 | Zig:23   | Killed Otogefud the pandemonium lord
341043 | Zig:23   | Noticed Fiut the pandemonium lord
341044 | Zig:23   | Noticed Vatunk the pandemonium lord
341044 | Zig:23   | Noticed Yberph the pandemonium lord
341044 | Zig:23   | Noticed Nexzoy the pandemonium lord
341045 | Zig:23   | Noticed Utash the pandemonium lord
341048 | Zig:23   | Killed Jeitsano the pandemonium lord
341049 | Zig:23   | Killed Fiut the pandemonium lord
341051 | Zig:23   | Killed Utash the pandemonium lord
341051 | Zig:23   | Killed Parch the pandemonium lord
341051 | Zig:23   | Killed Lufiphew the pandemonium lord
341051 | Zig:23   | Noticed Giejor the pandemonium lord
341059 | Zig:23   | Killed Vatunk the pandemonium lord
341059 | Zig:23   | Noticed Viaghit the pandemonium lord
341060 | Zig:23   | Noticed Beoffa the pandemonium lord
341061 | Zig:23   | Noticed Cutyah the pandemonium lord
341062 | Zig:23   | Killed Giejor the pandemonium lord
341063 | Zig:23   | Noticed Puqat the pandemonium lord
341064 | Zig:23   | Killed Nexzoy the pandemonium lord
341064 | Zig:23   | Killed Viaghit the pandemonium lord
341064 | Zig:23   | Killed Yberph the pandemonium lord
341064 | Zig:23   | Noticed Ryrubb the pandemonium lord
341065 | Zig:23   | Noticed Asetrado the pandemonium lord
341066 | Zig:23   | Killed Beoffa the pandemonium lord
341066 | Zig:23   | Noticed Zededi the pandemonium lord
341066 | Zig:23   | Noticed Umathopp the pandemonium lord
341067 | Zig:23   | Noticed Toveshel the pandemonium lord
341068 | Zig:23   | Killed Ryrubb the pandemonium lord
341068 | Zig:23   | Killed Cutyah the pandemonium lord
341068 | Zig:23   | Killed Puqat the pandemonium lord
341068 | Zig:23   | Noticed Bacri the pandemonium lord
341069 | Zig:23   | Noticed Tememaz the pandemonium lord
341069 | Zig:23   | Noticed Cubezed the pandemonium lord
341070 | Zig:23   | Noticed Urefoen the pandemonium lord
341072 | Zig:23   | Killed Asetrado the pandemonium lord
341073 | Zig:23   | Killed Zededi the pandemonium lord
341073 | Zig:23   | Killed Umathopp the pandemonium lord
341073 | Zig:23   | Killed Bacri the pandemonium lord
341073 | Zig:23   | Killed Toveshel the pandemonium lord
341073 | Zig:23   | Killed Urefoen the pandemonium lord
341073 | Zig:23   | Killed Tememaz the pandemonium lord
341074 | Zig:23   | Killed Cubezed the pandemonium lord
341075 | Zig:23   | Noticed Leusa the pandemonium lord
341083 | Zig:23   | Killed Leusa the pandemonium lord
341857 | Zig:23   | Identified the +3 quarterstaff of Distraction {freeze,
                  | rElec rF+ Int-5}
341861 | Zig:23   | Identified the +0 leather armour of the Will of the Gods
                  | {Fly Str-4 Dex+2 SInv}
341862 | Zig:23   | Identified the ring "Giud" {Ice rElec Dex-2 Slay+3}
341885 | Zig:23   | Identified the ring of Deydgh {Contam rF- Int+2 Dex+6 SInv}
341891 | Zig:23   | Identified the +3 dagger of Interdependent Arising {venom,
                  | rN+++ Str+4 Int-2 Dex+3}
341895 | Zig:23   | Identified the staff of poison "Cokenopne" {+Blink rPois
                  | rF+ Dex+3}
341905 | Zig:23   | Identified the +8 falchion "Leviticus" {spect, rPois rN+}
341907 | Zig:23   | Identified the +11 chain mail of Intuition {Regen+ MP+9}
341910 | Zig:23   | Identified the +2 plate armour of Nacvol {rC+ Slay+2}
341928 | Zig:23   | Identified the ring "Ucleyph" {Wiz rElec SInv}
341929 | Zig:23   | Identified the staff of poison "Locelul" {rElec rPois rCorr
                  | Int-5}
341930 | Zig:23   | Identified the +10 shortbow of Pycwikaan {elec, rElec rN+
                  | Int+3 Dex+3}
341932 | Zig:23   | Identified the +4 quarterstaff "Killer Bee's Curse"
                  | {protect, *Slow Str+2 Dex+3}
341935 | Zig:23   | Identified the +8 scimitar of Law {distort, *Corrode MP+9
                  | Stlth+}
341943 | Zig:23   | Identified the ring of Yli Puoq {rN++ rCorr Str-2 Dex+3}
341944 | Zig:23   | Identified the +4 long sword "Fofiwkax" {venom, rCorr Int+2
                  | Stlth+}
341961 | Zig:23   | Identified the ring "Bifuy" {Will+ MP+9}
342032 | Zig:24   | Entered Level 24 of a ziggurat
342032 | Zig:24   | Noticed a dread lich
342032 | Zig:24   | Noticed a dread lich
342032 | Zig:24   | Noticed an ancient lich
342032 | Zig:24   | Noticed a dread lich
342032 | Zig:24   | Noticed an ancient lich
342032 | Zig:24   | Noticed a dread lich
342032 | Zig:24   | Noticed a dread lich
342032 | Zig:24   | Noticed an ancient lich
342032 | Zig:24   | Noticed an ancient lich
342032 | Zig:24   | Noticed an ancient lich
342032 | Zig:24   | Noticed a dread lich
342032 | Zig:24   | Noticed a dread lich
342032 | Zig:24   | Noticed a dread lich
342032 | Zig:24   | Noticed a dread lich
342032 | Zig:24   | Noticed a dread lich
342032 | Zig:24   | Noticed an ancient lich
342032 | Zig:24   | Noticed a dread lich
342032 | Zig:24   | Noticed a dread lich
342032 | Zig:24   | Noticed an ancient lich
342032 | Zig:24   | Noticed an ancient lich
342032 | Zig:24   | Noticed an ancient lich
342032 | Zig:24   | Noticed a dread lich
342032 | Zig:24   | Noticed an ancient lich
342032 | Zig:24   | Noticed an ancient lich
342032 | Zig:24   | Noticed a dread lich
342032 | Zig:24   | Noticed a dread lich
342032 | Zig:24   | Noticed an ancient lich
342032 | Zig:24   | Noticed an ancient lich
342033 | Zig:24   | Killed a dread lich
342033 | Zig:24   | Killed a dread lich
342033 | Zig:24   | Killed a dread lich
342033 | Zig:24   | Killed a dread lich
342033 | Zig:24   | Killed a dread lich
342033 | Zig:24   | Killed an ancient lich
342033 | Zig:24   | Killed a dread lich
342033 | Zig:24   | Killed a dread lich
342033 | Zig:24   | Killed an ancient lich
342033 | Zig:24   | Killed a dread lich
342033 | Zig:24   | Killed an ancient lich
342033 | Zig:24   | Killed a dread lich
342033 | Zig:24   | Killed a dread lich
342035 | Zig:24   | Noticed an ancient lich
342035 | Zig:24   | Noticed an ancient lich
342035 | Zig:24   | Noticed an ancient lich
342035 | Zig:24   | Noticed a dread lich
342035 | Zig:24   | Noticed an ancient lich
342035 | Zig:24   | Noticed a dread lich
342036 | Zig:24   | Noticed a dread lich
342036 | Zig:24   | Noticed a dread lich
342036 | Zig:24   | Killed an ancient lich
342036 | Zig:24   | Killed an ancient lich
342037 | Zig:24   | Noticed an ancient lich
342037 | Zig:24   | Noticed an ancient lich
342037 | Zig:24   | Noticed a dread lich
342037 | Zig:24   | Noticed an ancient lich
342038 | Zig:24   | Noticed an ancient lich
342038 | Zig:24   | Noticed an ancient lich
342038 | Zig:24   | Noticed an ancient lich
342038 | Zig:24   | Noticed an ancient lich
342038 | Zig:24   | Killed a dread lich
342038 | Zig:24   | Killed an ancient lich
342038 | Zig:24   | Killed an ancient lich
342038 | Zig:24   | Killed an ancient lich
342038 | Zig:24   | Killed an ancient lich
342038 | Zig:24   | Noticed a dread lich
342039 | Zig:24   | Noticed a dread lich
342039 | Zig:24   | Noticed a dread lich
342039 | Zig:24   | Noticed a dread lich
342039 | Zig:24   | Noticed an ancient lich
342039 | Zig:24   | Killed a dread lich
342039 | Zig:24   | Killed an ancient lich
342039 | Zig:24   | Killed a dread lich
342039 | Zig:24   | Killed a dread lich
342039 | Zig:24   | Noticed a dread lich
342040 | Zig:24   | Noticed a dread lich
342040 | Zig:24   | Noticed a dread lich
342040 | Zig:24   | Killed an ancient lich
342040 | Zig:24   | Killed a dread lich
342040 | Zig:24   | Killed a dread lich
342040 | Zig:24   | Killed an ancient lich
342040 | Zig:24   | Killed an ancient lich
342041 | Zig:24   | Noticed a dread lich
342041 | Zig:24   | Noticed a dread lich
342041 | Zig:24   | Noticed an ancient lich
342041 | Zig:24   | Noticed an ancient lich
342042 | Zig:24   | Killed an ancient lich
342042 | Zig:24   | Killed an ancient lich
342042 | Zig:24   | Noticed a dread lich
342043 | Zig:24   | Noticed a dread lich
342044 | Zig:24   | Killed a dread lich
342044 | Zig:24   | Killed an ancient lich
342044 | Zig:24   | Killed a dread lich
342044 | Zig:24   | Killed an ancient lich
342044 | Zig:24   | Killed a dread lich
342044 | Zig:24   | Killed a dread lich
342044 | Zig:24   | Killed an ancient lich
342044 | Zig:24   | Killed an ancient lich
342044 | Zig:24   | Killed a dread lich
342044 | Zig:24   | Killed an ancient lich
342044 | Zig:24   | Killed an ancient lich
342044 | Zig:24   | Killed a dread lich
342044 | Zig:24   | Killed an ancient lich
342044 | Zig:24   | Killed an ancient lich
342044 | Zig:24   | Killed a dread lich
342045 | Zig:24   | Killed an ancient lich
342045 | Zig:24   | Killed a dread lich
342045 | Zig:24   | Killed a dread lich
342045 | Zig:24   | Killed a dread lich
342045 | Zig:24   | Killed an ancient lich
342045 | Zig:24   | Killed a dread lich
342045 | Zig:24   | Killed an ancient lich
342045 | Zig:24   | Killed a dread lich
342045 | Zig:24   | Killed a dread lich
342045 | Zig:24   | Killed a dread lich
342046 | Zig:24   | Noticed an ancient lich
342046 | Zig:24   | Noticed a dread lich
342046 | Zig:24   | Noticed an ancient lich
342046 | Zig:24   | Noticed an ancient lich
342046 | Zig:24   | Noticed an ancient lich
342046 | Zig:24   | Noticed a dread lich
342046 | Zig:24   | Noticed an ancient lich
342046 | Zig:24   | Noticed an ancient lich
342047 | Zig:24   | Noticed a dread lich
342047 | Zig:24   | Noticed an ancient lich
342047 | Zig:24   | Noticed a dread lich
342047 | Zig:24   | Noticed an ancient lich
342047 | Zig:24   | Noticed an ancient lich
342048 | Zig:24   | Noticed an ancient lich
342048 | Zig:24   | Noticed a dread lich
342048 | Zig:24   | Noticed an ancient lich
342048 | Zig:24   | Noticed an ancient lich
342048 | Zig:24   | Noticed a dread lich
342049 | Zig:24   | Noticed an ancient lich
342049 | Zig:24   | Noticed an ancient lich
342050 | Zig:24   | Killed an ancient lich
342050 | Zig:24   | Killed an ancient lich
342050 | Zig:24   | Killed an ancient lich
342050 | Zig:24   | Killed a dread lich
342050 | Zig:24   | Killed an ancient lich
342050 | Zig:24   | Killed a dread lich
342050 | Zig:24   | Killed a dread lich
342050 | Zig:24   | Noticed a dread lich
342050 | Zig:24   | Noticed a dread lich
342050 | Zig:24   | Noticed a dread lich
342050 | Zig:24   | Noticed an ancient lich
342050 | Zig:24   | Noticed an ancient lich
342051 | Zig:24   | Killed an ancient lich
342052 | Zig:24   | Noticed a dread lich
342052 | Zig:24   | Noticed a dread lich
342052 | Zig:24   | Noticed an ancient lich
342052 | Zig:24   | Noticed a dread lich
342052 | Zig:24   | Noticed an ancient lich
342052 | Zig:24   | Noticed an ancient lich
342053 | Zig:24   | Noticed a dread lich
342053 | Zig:24   | Noticed a dread lich
342053 | Zig:24   | Noticed a dread lich
342053 | Zig:24   | Noticed a dread lich
342053 | Zig:24   | Noticed a dread lich
342053 | Zig:24   | Killed an ancient lich
342053 | Zig:24   | Noticed an ancient lich
342053 | Zig:24   | Noticed a dread lich
342053 | Zig:24   | Noticed a dread lich
342053 | Zig:24   | Noticed a dread lich
342054 | Zig:24   | Noticed a dread lich
342054 | Zig:24   | Noticed a dread lich
342054 | Zig:24   | Noticed an ancient lich
342054 | Zig:24   | Noticed an ancient lich
342054 | Zig:24   | Noticed a dread lich
342054 | Zig:24   | Killed a dread lich
342055 | Zig:24   | Noticed a dread lich
342055 | Zig:24   | Noticed a dread lich
342055 | Zig:24   | Noticed an ancient lich
342055 | Zig:24   | Noticed an ancient lich
342055 | Zig:24   | Noticed an ancient lich
342055 | Zig:24   | Killed an ancient lich
342055 | Zig:24   | Killed an ancient lich
342056 | Zig:24   | Noticed a dread lich
342056 | Zig:24   | Noticed a dread lich
342056 | Zig:24   | Noticed a dread lich
342056 | Zig:24   | Noticed a dread lich
342056 | Zig:24   | Killed an ancient lich
342056 | Zig:24   | Killed an ancient lich
342056 | Zig:24   | Killed a dread lich
342056 | Zig:24   | Killed an ancient lich
342056 | Zig:24   | Killed an ancient lich
342056 | Zig:24   | Noticed an ancient lich
342057 | Zig:24   | Killed a dread lich
342057 | Zig:24   | Killed a dread lich
342057 | Zig:24   | Killed a dread lich
342057 | Zig:24   | Killed an ancient lich
342057 | Zig:24   | Killed a dread lich
342057 | Zig:24   | Killed a dread lich
342057 | Zig:24   | Killed a dread lich
342057 | Zig:24   | Killed an ancient lich
342057 | Zig:24   | Killed an ancient lich
342057 | Zig:24   | Killed a dread lich
342057 | Zig:24   | Killed a dread lich
342057 | Zig:24   | Killed a dread lich
342057 | Zig:24   | Killed a dread lich
342057 | Zig:24   | Killed an ancient lich
342057 | Zig:24   | Killed a dread lich
342057 | Zig:24   | Killed a dread lich
342057 | Zig:24   | Killed a dread lich
342057 | Zig:24   | Killed a dread lich
342057 | Zig:24   | Killed an ancient lich
342057 | Zig:24   | Killed an ancient lich
342057 | Zig:24   | Killed an ancient lich
342057 | Zig:24   | Killed a dread lich
342057 | Zig:24   | Killed a dread lich
342057 | Zig:24   | Killed a dread lich
342057 | Zig:24   | Killed a dread lich
342057 | Zig:24   | Killed an ancient lich
342057 | Zig:24   | Killed an ancient lich
342057 | Zig:24   | Killed a dread lich
342057 | Zig:24   | Killed an ancient lich
342057 | Zig:24   | Killed an ancient lich
342057 | Zig:24   | Killed a dread lich
342057 | Zig:24   | Killed an ancient lich
342057 | Zig:24   | Noticed a dread lich
342057 | Zig:24   | Noticed an ancient lich
342058 | Zig:24   | Noticed a dread lich
342058 | Zig:24   | Noticed an ancient lich
342058 | Zig:24   | Killed a dread lich
342059 | Zig:24   | Noticed an ancient lich
342059 | Zig:24   | Noticed a dread lich
342059 | Zig:24   | Noticed a dread lich
342059 | Zig:24   | Noticed an ancient lich
342060 | Zig:24   | Noticed an ancient lich
342060 | Zig:24   | Noticed a dread lich
342061 | Zig:24   | Noticed a dread lich
342061 | Zig:24   | Noticed an ancient lich
342061 | Zig:24   | Noticed a dread lich
342061 | Zig:24   | Noticed a dread lich
342061 | Zig:24   | Noticed an ancient lich
342061 | Zig:24   | Noticed an ancient lich
342062 | Zig:24   | Noticed a dread lich
342062 | Zig:24   | Killed a dread lich
342062 | Zig:24   | Killed a dread lich
342062 | Zig:24   | Killed an ancient lich
342062 | Zig:24   | Killed an ancient lich
342062 | Zig:24   | Killed a dread lich
342062 | Zig:24   | Killed an ancient lich
342062 | Zig:24   | Killed a dread lich
342062 | Zig:24   | Killed an ancient lich
342063 | Zig:24   | Killed a dread lich
342063 | Zig:24   | Killed a dread lich
342063 | Zig:24   | Killed an ancient lich
342063 | Zig:24   | Killed a dread lich
342063 | Zig:24   | Killed an ancient lich
342063 | Zig:24   | Killed an ancient lich
342063 | Zig:24   | Killed a dread lich
342063 | Zig:24   | Killed a dread lich
342063 | Zig:24   | Killed an ancient lich
342063 | Zig:24   | Killed a dread lich
342063 | Zig:24   | Killed a dread lich
342063 | Zig:24   | Killed a dread lich
342063 | Zig:24   | Killed an ancient lich
342063 | Zig:24   | Killed an ancient lich
342063 | Zig:24   | Killed an ancient lich
342064 | Zig:24   | Noticed a dread lich
342064 | Zig:24   | Noticed an ancient lich
342064 | Zig:24   | Noticed a dread lich
342064 | Zig:24   | Noticed an ancient lich
342064 | Zig:24   | Noticed a dread lich
342065 | Zig:24   | Noticed an ancient lich
342066 | Zig:24   | Noticed a dread lich
342066 | Zig:24   | Noticed a dread lich
342066 | Zig:24   | Noticed an ancient lich
342067 | Zig:24   | Noticed a dread lich
342067 | Zig:24   | Noticed an ancient lich
342068 | Zig:24   | Noticed an ancient lich
342068 | Zig:24   | Killed an ancient lich
342068 | Zig:24   | Killed a dread lich
342068 | Zig:24   | Killed a dread lich
342068 | Zig:24   | Killed an ancient lich
342069 | Zig:24   | Killed a dread lich
342069 | Zig:24   | Killed a dread lich
342069 | Zig:24   | Killed a dread lich
342069 | Zig:24   | Killed an ancient lich
342069 | Zig:24   | Killed a dread lich
342069 | Zig:24   | Killed an ancient lich
342069 | Zig:24   | Killed an ancient lich
342069 | Zig:24   | Killed a dread lich
342075 | Zig:24   | Killed an ancient lich
342804 | Zig:24   | Identified the +1 great sword of Wyrd {flame, rPois rF+
                  | Int-5}
342831 | Zig:24   | Identified the +0 ring mail of Abstinence {Slay+3}
342836 | Zig:24   | Identified the ring of Uroqeor {EV+5 Dex+4}
342844 | Zig:24   | Identified the +7 arbalest of Sequestration {elec, rCorr
                  | Str-3 Int+3 Dex+3}
342852 | Zig:24   | Identified the staff of fire "Wexto" {rF+ Dex+2}
342857 | Zig:24   | Identified the +1 flail of Tykhli {speed, Will+}
342861 | Zig:24   | Identified the +7 glaive of Xefep {holy, +Blink rPois rN+++
                  | Str-4}
342865 | Zig:24   | Identified the staff of air "Haits" {rElec MP-9 Str+8
                  | Int+2}
342871 | Zig:24   | Identified the staff of death "Befyotac" {rElec rF+ rN+}
342873 | Zig:24   | Identified the +7 arbalest of Itienuh {freeze, Will+}
342877 | Zig:24   | Identified the staff of death "Keirr" {rC+ rN+ Will- Int+3}
342928 | Zig:24   | Identified the amulet "Zowoocu" {Spirit +Inv rC+ Int+3}
342929 | Zig:24   | Identified the staff of fire "Ylier" {rF+ rCorr}
342930 | Zig:24   | Identified the +1 leather armour of Fumadgh {rCorr Int+3
                  | Dex-2 Slay+2}
342932 | Zig:24   | Identified the amulet "Qiosut" {Reflect Rampage rElec
                  | Regen+ Str+3 SH+5}
342935 | Zig:24   | Identified the +2 broad axe of Hozisaku {heavy, MP+9 Int+2}
342942 | Zig:24   | Identified the +4 whip "Fuhe" {flame, Will+ Str+2 Int+3}
342946 | Zig:24   | Identified the ring "Zudycani" {Fire Dex+3}
342954 | Zig:24   | Identified the +5 shortbow "Tybb" {drain, +Blink rF+}
342960 | Zig:24   | Identified the +7 mace "Doberiqa" {venom, *Slow rC+ rCorr
                  | Int+3}
342963 | Zig:24   | Identified the staff of cold "Betiq" {rC+ rN++}
343078 | Zig:25   | Entered Level 25 of a ziggurat
343269 | Zig:25   | Identified the +1 shortbow "Gymnebof" {antimagic, rN+}
343270 | Zig:25   | Identified the +8 morningstar of Xunuram {protect, rElec
                  | rN+ rCorr SInv}
343280 | Zig:25   | Identified the +11 hand axe of Glory {flame, +Blink Will+}
343286 | Zig:25   | Identified the amulet "Guv Vudd" {Acrobat +Inv rC+ Int+2}
343294 | Zig:25   | Identified the +6 quarterstaff of Conscience {freeze, Int+2
                  | Dex+2 Stlth+}
343297 | Zig:25   | Identified the +5 dagger of Forum {pain, rC++ rN+}
343298 | Zig:25   | Identified the staff of conjuration "Yrgheutu" {rElec rCorr
                  | Str-2 Int+7}
343322 | Zig:25   | Identified the +10 shortbow of Haschutt {drain, Int+4}
343349 | Zig:25   | Identified the +3 glaive of Rexkof {freeze, Fly MP+9}
343424 | Zig:25   | Identified the staff of air "Duat Asch" {rElec rF++ Dex+2}
343436 | Zig:25   | Identified the staff of air "Ujilum" {Drain rElec rC++
                  | Will+ Str-5}
343440 | Zig:25   | Acquired 823 gold pieces
344265 | Zig:26   | Entered Level 26 of a ziggurat
344267 | Zig:26   | Identified the +2 tower shield "Zudiel" {Str-4 Int+4}
344271 | Zig:26   | Identified the +7 tower shield of Hairiness {Will+}
344274 | Zig:26   | Identified the +3 tower shield of the Pit {Drain rC++ rCorr
                  | SInv}
344277 | Zig:26   | Identified the +12 tower shield "Qeidumaw" {rC+ Str+3}
344280 | Zig:26   | Identified the +6 tower shield of the Seven Souls {*Corrode
                  | rElec Will+ SInv}
344281 | Zig:26   | Identified the +9 tower shield of the Monk {Drain Str+7}
344284 | Zig:26   | Identified the +3 tower shield "Henusk" {rPois Stlth+}
344285 | Zig:26   | Identified the +0 tower shield of Illew {Regen+ MP+9}
344290 | Zig:26   | Identified the +8 tower shield "Wolaeph" {rC+}
344294 | Zig:26   | Identified the +4 tower shield of Patience {-Cast rElec
                  | rN+}
344294 | Zig:26   | Identified the +8 tower shield of Axzumout {rElec Dex+2}
344294 | Zig:26   | Identified the +2 tower shield "Plog" {rF++ Will- Dex+4}
344299 | Zig:26   | Identified the +0 tower shield of the Gloaming {SInv
                  | Stlth+}
344305 | Zig:26   | Identified the +7 tower shield of Vucw {Harm Str+3}
344308 | Zig:26   | Identified the -1 tower shield of Moehuy {Stlth+}
344310 | Zig:26   | Identified the +0 tower shield "Loezar" {rC+}
344315 | Zig:26   | Identified the +8 tower shield of the Wishes {rF+ rCorr
                  | Str+2 Int-5}
344318 | Zig:26   | Identified the +1 tower shield "Hitwit" {rElec rCorr Dex-2
                  | Stlth+}
344319 | Zig:26   | Identified the +4 tower shield of the Ten Things {*Slow
                  | +Blink Dex+4}
344324 | Zig:26   | Identified the +3 tower shield of the Grim Mantidfly {rElec
                  | Will++ Str+4}
344867 | Zig:26   | Identified the +0 tower shield "Pism" {Harm Dex+2} (You
                  | took it off a daeva on level 26 of a ziggurat)
344881 | Zig:26   | Identified the +0 tower shield of Mirth {Will+ Dex+3} (You
                  | took it off a daeva on level 26 of a ziggurat)
344979 | Zig:26   | Identified the -1 tower shield of Understanding {Contam
                  | *Corrode Will+++ Str+3} (You took it off a daeva on level
                  | 26 of a ziggurat)
345252 | Zig:26   | Identified the staff of death "Jijeapn" {rN+ Str+3}
345254 | Zig:26   | Identified the staff of air "Lauletu" {rElec rC+ rCorr
                  | Str+5 Stlth-}
345286 | Zig:26   | Identified the +8 mace of Responsibility {heavy, rN+}
345295 | Zig:26   | Identified the +1 rapier of Ikkufech {vamp, rPois rF-
                  | Str+4}
345297 | Zig:26   | Identified the +1 rapier "Vohozid" {speed, rElec rPois
                  | Int+7}
345301 | Zig:26   | Identified the staff of fire "Othuobra" {rElec rF+ Dex+3}
345304 | Zig:26   | Identified the +9 sling "Fopurun" {heavy, rElec rPois
                  | Dex-4}
345306 | Zig:26   | Identified the ring of Reubbawn {Will- EV+5 Dex+5 Slay+3
                  | SInv}
345317 | Zig:26   | Identified the +0 chain mail "Maten" {rF- rC- Str+8}
345322 | Zig:26   | Identified the +3 hand axe of True Grit {heavy, rPois
                  | Int+2}
345326 | Zig:26   | Identified the +7 great sword of the Invisible Heavens
                  | {venom, rN+ Will+ rCorr}
345455 | Zig:27   | Entered Level 27 of a ziggurat
345455 | Zig:27   | Noticed a juggernaut
345455 | Zig:27   | Noticed a juggernaut
345455 | Zig:27   | Noticed a juggernaut
345455 | Zig:27   | Noticed a juggernaut
345455 | Zig:27   | Noticed a juggernaut
345455 | Zig:27   | Noticed a juggernaut
345455 | Zig:27   | Noticed a juggernaut
345455 | Zig:27   | Noticed a juggernaut
345455 | Zig:27   | Noticed a juggernaut
345455 | Zig:27   | Noticed a juggernaut
345456 | Zig:27   | Noticed a juggernaut
345456 | Zig:27   | Noticed a juggernaut
345458 | Zig:27   | Noticed a juggernaut
345458 | Zig:27   | Noticed a juggernaut
345459 | Zig:27   | Noticed a juggernaut
345459 | Zig:27   | Noticed a juggernaut
345460 | Zig:27   | Noticed a juggernaut
345460 | Zig:27   | Noticed a juggernaut
345461 | Zig:27   | Killed a juggernaut
345461 | Zig:27   | Killed a juggernaut
345461 | Zig:27   | Killed a juggernaut
345461 | Zig:27   | Killed a juggernaut
345461 | Zig:27   | Killed a juggernaut
345461 | Zig:27   | Noticed a juggernaut
345462 | Zig:27   | Killed a juggernaut
345462 | Zig:27   | Killed a juggernaut
345462 | Zig:27   | Killed a juggernaut
345462 | Zig:27   | Killed a juggernaut
345462 | Zig:27   | Killed a juggernaut
345462 | Zig:27   | Killed a juggernaut
345462 | Zig:27   | Killed a juggernaut
345462 | Zig:27   | Killed a juggernaut
345462 | Zig:27   | Killed a juggernaut
345462 | Zig:27   | Killed a juggernaut
345462 | Zig:27   | Noticed a juggernaut
345462 | Zig:27   | Noticed a juggernaut
345463 | Zig:27   | Noticed a juggernaut
345463 | Zig:27   | Noticed a juggernaut
345464 | Zig:27   | Noticed a juggernaut
345464 | Zig:27   | Noticed a juggernaut
345464 | Zig:27   | Noticed a juggernaut
345464 | Zig:27   | Noticed a juggernaut
345464 | Zig:27   | Noticed a juggernaut
345465 | Zig:27   | Noticed a juggernaut
345465 | Zig:27   | Noticed a juggernaut
345465 | Zig:27   | Noticed a juggernaut
345465 | Zig:27   | Noticed a juggernaut
345466 | Zig:27   | Noticed a juggernaut
345466 | Zig:27   | Noticed a juggernaut
345466 | Zig:27   | Noticed a juggernaut
345466 | Zig:27   | Noticed a juggernaut
345466 | Zig:27   | Noticed a juggernaut
345466 | Zig:27   | Killed a juggernaut
345466 | Zig:27   | Killed a juggernaut
345466 | Zig:27   | Noticed a juggernaut
345466 | Zig:27   | Noticed a juggernaut
345466 | Zig:27   | Noticed a juggernaut
345467 | Zig:27   | Noticed a juggernaut
345467 | Zig:27   | Noticed a juggernaut
345467 | Zig:27   | Noticed a juggernaut
345467 | Zig:27   | Noticed a juggernaut
345467 | Zig:27   | Noticed a juggernaut
345468 | Zig:27   | Noticed a juggernaut
345468 | Zig:27   | Noticed a juggernaut
345468 | Zig:27   | Noticed a juggernaut
345468 | Zig:27   | Noticed a juggernaut
345469 | Zig:27   | Killed a juggernaut
345470 | Zig:27   | Noticed a juggernaut
345470 | Zig:27   | Noticed a juggernaut
345470 | Zig:27   | Killed a juggernaut
345470 | Zig:27   | Killed a juggernaut
345470 | Zig:27   | Killed a juggernaut
345470 | Zig:27   | Killed a juggernaut
345470 | Zig:27   | Noticed a juggernaut
345470 | Zig:27   | Noticed a juggernaut
345471 | Zig:27   | Noticed a juggernaut
345471 | Zig:27   | Noticed a juggernaut
345471 | Zig:27   | Noticed a juggernaut
345471 | Zig:27   | Noticed a juggernaut
345471 | Zig:27   | Noticed a juggernaut
345471 | Zig:27   | Noticed a juggernaut
345471 | Zig:27   | Killed a juggernaut
345471 | Zig:27   | Killed a juggernaut
345471 | Zig:27   | Killed a juggernaut
345471 | Zig:27   | Killed a juggernaut
345472 | Zig:27   | Noticed a juggernaut
345472 | Zig:27   | Noticed a juggernaut
345473 | Zig:27   | Noticed a juggernaut
345473 | Zig:27   | Noticed a juggernaut
345473 | Zig:27   | Killed a juggernaut
345473 | Zig:27   | Killed a juggernaut
345473 | Zig:27   | Killed a juggernaut
345473 | Zig:27   | Killed a juggernaut
345473 | Zig:27   | Killed a juggernaut
345473 | Zig:27   | Killed a juggernaut
345473 | Zig:27   | Killed a juggernaut
345473 | Zig:27   | Killed a juggernaut
345473 | Zig:27   | Killed a juggernaut
345473 | Zig:27   | Killed a juggernaut
345473 | Zig:27   | Killed a juggernaut
345473 | Zig:27   | Killed a juggernaut
345473 | Zig:27   | Killed a juggernaut
345473 | Zig:27   | Killed a juggernaut
345473 | Zig:27   | Killed a juggernaut
345473 | Zig:27   | Killed a juggernaut
345473 | Zig:27   | Killed a juggernaut
345473 | Zig:27   | Killed a juggernaut
345473 | Zig:27   | Killed a juggernaut
345473 | Zig:27   | Killed a juggernaut
345473 | Zig:27   | Killed a juggernaut
345473 | Zig:27   | Killed a juggernaut
345473 | Zig:27   | Killed a juggernaut
345473 | Zig:27   | Killed a juggernaut
345473 | Zig:27   | Killed a juggernaut
345473 | Zig:27   | Killed a juggernaut
345473 | Zig:27   | Killed a juggernaut
345473 | Zig:27   | Noticed a juggernaut
345473 | Zig:27   | Noticed a juggernaut
345473 | Zig:27   | Noticed a juggernaut
345474 | Zig:27   | Noticed a juggernaut
345474 | Zig:27   | Noticed a juggernaut
345474 | Zig:27   | Noticed a juggernaut
345474 | Zig:27   | Noticed a juggernaut
345474 | Zig:27   | Noticed a juggernaut
345474 | Zig:27   | Noticed a juggernaut
345475 | Zig:27   | Noticed a juggernaut
345475 | Zig:27   | Noticed a juggernaut
345475 | Zig:27   | Noticed a juggernaut
345475 | Zig:27   | Noticed a juggernaut
345475 | Zig:27   | Noticed a juggernaut
345475 | Zig:27   | Noticed a juggernaut
345475 | Zig:27   | Noticed a juggernaut
345476 | Zig:27   | Noticed a juggernaut
345476 | Zig:27   | Noticed a juggernaut
345476 | Zig:27   | Noticed a juggernaut
345478 | Zig:27   | Noticed a juggernaut
345479 | Zig:27   | Noticed a juggernaut
345479 | Zig:27   | Noticed a juggernaut
345479 | Zig:27   | Noticed a juggernaut
345479 | Zig:27   | Noticed a juggernaut
345480 | Zig:27   | Killed a juggernaut
345480 | Zig:27   | Killed a juggernaut
345480 | Zig:27   | Killed a juggernaut
345480 | Zig:27   | Killed a juggernaut
345480 | Zig:27   | Killed a juggernaut
345480 | Zig:27   | Killed a juggernaut
345480 | Zig:27   | Killed a juggernaut
345480 | Zig:27   | Killed a juggernaut
345480 | Zig:27   | Killed a juggernaut
345480 | Zig:27   | Killed a juggernaut
345480 | Zig:27   | Killed a juggernaut
345480 | Zig:27   | Killed a juggernaut
345480 | Zig:27   | Killed a juggernaut
345480 | Zig:27   | Killed a juggernaut
345480 | Zig:27   | Killed a juggernaut
345480 | Zig:27   | Killed a juggernaut
345480 | Zig:27   | Killed a juggernaut
345480 | Zig:27   | Killed a juggernaut
345480 | Zig:27   | Killed a juggernaut
345480 | Zig:27   | Killed a juggernaut
345480 | Zig:27   | Killed a juggernaut
345480 | Zig:27   | Noticed a juggernaut
345480 | Zig:27   | Noticed a juggernaut
345481 | Zig:27   | Killed a juggernaut
345481 | Zig:27   | Killed a juggernaut
345481 | Zig:27   | Killed a juggernaut
345481 | Zig:27   | Killed a juggernaut
345481 | Zig:27   | Killed a juggernaut
345481 | Zig:27   | Killed a juggernaut
345481 | Zig:27   | Killed a juggernaut
345481 | Zig:27   | Killed a juggernaut
345481 | Zig:27   | Killed a juggernaut
345481 | Zig:27   | Killed a juggernaut
345481 | Zig:27   | Noticed a juggernaut
345481 | Zig:27   | Noticed a juggernaut
345483 | Zig:27   | Noticed a juggernaut
345483 | Zig:27   | Noticed a juggernaut
345483 | Zig:27   | Noticed a juggernaut
345484 | Zig:27   | Noticed a juggernaut
345484 | Zig:27   | Noticed a juggernaut
345484 | Zig:27   | Killed a juggernaut
345485 | Zig:27   | Noticed a juggernaut
345485 | Zig:27   | Noticed a juggernaut
345485 | Zig:27   | Killed a juggernaut
345486 | Zig:27   | Noticed a juggernaut
345486 | Zig:27   | Noticed a juggernaut
345486 | Zig:27   | Noticed a juggernaut
345487 | Zig:27   | Noticed a juggernaut
345487 | Zig:27   | Noticed a juggernaut
345487 | Zig:27   | Killed a juggernaut
345488 | Zig:27   | Killed a juggernaut
345488 | Zig:27   | Killed a juggernaut
345488 | Zig:27   | Killed a juggernaut
345488 | Zig:27   | Killed a juggernaut
345488 | Zig:27   | Killed a juggernaut
345488 | Zig:27   | Killed a juggernaut
345488 | Zig:27   | Killed a juggernaut
345488 | Zig:27   | Killed a juggernaut
345488 | Zig:27   | Killed a juggernaut
345488 | Zig:27   | Killed a juggernaut
345488 | Zig:27   | Killed a juggernaut
345488 | Zig:27   | Noticed a juggernaut
345488 | Zig:27   | Noticed a juggernaut
345489 | Zig:27   | Noticed a juggernaut
345489 | Zig:27   | Killed a juggernaut
345489 | Zig:27   | Killed a juggernaut
345489 | Zig:27   | Noticed a juggernaut
345490 | Zig:27   | Noticed a juggernaut
345490 | Zig:27   | Noticed a juggernaut
345490 | Zig:27   | Killed a juggernaut
345491 | Zig:27   | Noticed a juggernaut
345492 | Zig:27   | Noticed a juggernaut
345492 | Zig:27   | Noticed a juggernaut
345492 | Zig:27   | Noticed a juggernaut
345494 | Zig:27   | Killed a juggernaut
345494 | Zig:27   | Killed a juggernaut
345494 | Zig:27   | Killed a juggernaut
345494 | Zig:27   | Killed a juggernaut
345494 | Zig:27   | Killed a juggernaut
345494 | Zig:27   | Killed a juggernaut
345494 | Zig:27   | Killed a juggernaut
345494 | Zig:27   | Killed a juggernaut
345494 | Zig:27   | Killed a juggernaut
345494 | Zig:27   | Killed a juggernaut
345499 | Zig:27   | Killed a juggernaut
345501 | Zig:27   | Killed a juggernaut
345641 | Zig:27   | Identified the staff of earth "Dyskiwaw" {Str+3 Int+2}
345652 | Zig:27   | Identified the staff of conjuration "Zamagemmugh" {rN++
                  | Int+4}
345674 | Zig:27   | Identified the ring of Loghah {Fly Will+ Str+2}
345697 | Zig:27   | Identified the +0 robe of Eternity {+Blink Fly}
345712 | Zig:27   | Identified the +1 falchion of Megalomania {protect, Stlth+}
345713 | Zig:27   | Identified the +3 scale mail "Demiss" {Rampage rC- Stlth+}
345731 | Zig:27   | Identified the +7 plate armour of Daisies {Int+3}
345733 | Zig:27   | Identified the +1 hand axe "Ront" {chaos, rElec rCorr}
345740 | Zig:27   | Identified the staff of fire "Wohawan" {rF+ rC++ rN+ MP-9
                  | Stlth+}
345744 | Zig:27   | Identified the staff of conjuration "Atu Ci Udonn" {Int+5}
345747 | Zig:27   | Identified the staff of cold "Ibaceiku" {*Slow rC+ Dex+4
                  | Stlth+}
345752 | Zig:27   | Identified the ring "Doaxefo" {rPois Str+4 Dex+5}
345764 | Zig:27   | Identified the staff of conjuration "Veux" {rC+ Stlth+}
345769 | Zig:27   | Identified the +0 scale mail "Veeklax" {Rampage rF+ rC+++
                  | Str-5}
345771 | Zig:27   | Identified the staff of earth "Ugiyss" {rElec SInv}
345786 | Zig:27   | Identified the +8 shortbow "Embalmer" {heavy, Fragile
                  | +Blink rElec Int+4}
345840 | Zig:27   | Identified the staff of air "Deopocul" {rElec Stlth+}
345848 | Zig:27   | Identified the +1 chain mail of Nathroast {rPois rN+ Int+6
                  | Slay-2}
346718 | Zig:1    | Entered Level 1 of a ziggurat
346836 | Zig:2    | Entered Level 2 of a ziggurat
346840 | Zig:2    | Found the +1 Delatra's gloves {ID++}
347033 | Zig:3    | Entered Level 3 of a ziggurat
347033 | Zig:3    | Noticed an orb of fire
347033 | Zig:3    | Noticed an orb of fire
347033 | Zig:3    | Noticed an orb of fire
347033 | Zig:3    | Noticed an orb of fire
347033 | Zig:3    | Noticed an orb of fire
347033 | Zig:3    | Noticed an orb of fire
347033 | Zig:3    | Noticed an orb of fire
347033 | Zig:3    | Noticed an orb of fire
347033 | Zig:3    | Noticed an orb of fire
347033 | Zig:3    | Noticed an orb of fire
347033 | Zig:3    | Noticed an orb of fire
347033 | Zig:3    | Noticed an orb of fire
347037 | Zig:3    | Killed an orb of fire
347038 | Zig:3    | Killed an orb of fire
347039 | Zig:3    | Killed an orb of fire
347040 | Zig:3    | Killed an orb of fire
347040 | Zig:3    | Killed an orb of fire
347040 | Zig:3    | Killed an orb of fire
347043 | Zig:3    | Killed an orb of fire
347043 | Zig:3    | Killed an orb of fire
347043 | Zig:3    | Killed an orb of fire
347046 | Zig:3    | Noticed an orb of fire
347047 | Zig:3    | Noticed an orb of fire
347047 | Zig:3    | Killed an orb of fire
347047 | Zig:3    | Killed an orb of fire
347048 | Zig:3    | Killed an orb of fire
347049 | Zig:3    | Noticed an orb of fire
347049 | Zig:3    | Noticed an orb of fire
347049 | Zig:3    | Noticed an orb of fire
347049 | Zig:3    | Noticed an orb of fire
347050 | Zig:3    | Killed an orb of fire
347052 | Zig:3    | Killed an orb of fire
347052 | Zig:3    | Killed an orb of fire
347052 | Zig:3    | Killed an orb of fire
347052 | Zig:3    | Killed an orb of fire
347060 | Zig:3    | Killed an orb of fire
347238 | Zig:3    | Identified the +2 scimitar of the Open Hand {flame, rF+
                  | rCorr}
347359 | Zig:4    | Entered Level 4 of a ziggurat
347359 | Zig:4    | Noticed Ysel Gogg the pandemonium lord
347359 | Zig:4    | Noticed Lavvew the pandemonium lord
347359 | Zig:4    | Noticed Peyqall the pandemonium lord
347359 | Zig:4    | Noticed Nythip the pandemonium lord
347359 | Zig:4    | Noticed Xejegoq the pandemonium lord
347359 | Zig:4    | Noticed Ytief the pandemonium lord
347359 | Zig:4    | Noticed Gillya Levy the pandemonium lord
347359 | Zig:4    | Noticed Icrielukh the pandemonium lord
347359 | Zig:4    | Noticed Ofasoa the pandemonium lord
347359 | Zig:4    | Noticed Wyopebudy the pandemonium lord
347359 | Zig:4    | Noticed Otateqor the pandemonium lord
347359 | Zig:4    | Noticed Quyzieno the pandemonium lord
347359 | Zig:4    | Noticed Rezor the pandemonium lord
347359 | Zig:4    | Noticed Jifipixi the pandemonium lord
347359 | Zig:4    | Noticed Wedo the pandemonium lord
347359 | Zig:4    | Noticed Zuse Diose the pandemonium lord
347359 | Zig:4    | Noticed Jiusmide the pandemonium lord
347359 | Zig:4    | Noticed Haenus the pandemonium lord
347359 | Zig:4    | Noticed Zimoxzeo the pandemonium lord
347359 | Zig:4    | Noticed Ostroen the pandemonium lord
347359 | Zig:4    | Noticed Gunaheur the pandemonium lord
347359 | Zig:4    | Noticed Caxuttal the pandemonium lord
347360 | Zig:4    | Killed Ofasoa the pandemonium lord
347360 | Zig:4    | Killed Gillya Levy the pandemonium lord
347360 | Zig:4    | Killed Rezor the pandemonium lord
347360 | Zig:4    | Killed Icrielukh the pandemonium lord
347360 | Zig:4    | Killed Jifipixi the pandemonium lord
347361 | Zig:4    | Noticed Caiph the pandemonium lord
347361 | Zig:4    | Noticed Avacin the pandemonium lord
347361 | Zig:4    | Noticed Igewaxick the pandemonium lord
347362 | Zig:4    | Killed Gunaheur the pandemonium lord
347362 | Zig:4    | Killed Wyopebudy the pandemonium lord
347362 | Zig:4    | Killed Ostroen the pandemonium lord
347362 | Zig:4    | Killed Ytief the pandemonium lord
347362 | Zig:4    | Killed Peyqall the pandemonium lord
347362 | Zig:4    | Killed Caxuttal the pandemonium lord
347362 | Zig:4    | Killed Wedo the pandemonium lord
347363 | Zig:4    | Killed Haenus the pandemonium lord
347363 | Zig:4    | Killed Ysel Gogg the pandemonium lord
347363 | Zig:4    | Killed Zuse Diose the pandemonium lord
347363 | Zig:4    | Killed Xejegoq the pandemonium lord
347363 | Zig:4    | Killed Quyzieno the pandemonium lord
347363 | Zig:4    | Killed Zimoxzeo the pandemonium lord
347363 | Zig:4    | Killed Igewaxick the pandemonium lord
347363 | Zig:4    | Killed Caiph the pandemonium lord
347363 | Zig:4    | Killed Jiusmide the pandemonium lord
347363 | Zig:4    | Noticed Paucw the pandemonium lord
347363 | Zig:4    | Noticed Humaetro the pandemonium lord
347363 | Zig:4    | Noticed Iqeerr the pandemonium lord
347364 | Zig:4    | Killed Otateqor the pandemonium lord
347364 | Zig:4    | Killed Nythip the pandemonium lord
347364 | Zig:4    | Killed Humaetro the pandemonium lord
347364 | Zig:4    | Noticed Tapt the pandemonium lord
347364 | Zig:4    | Noticed Pavogaem the pandemonium lord
347365 | Zig:4    | Noticed Bois the pandemonium lord
347366 | Zig:4    | Killed Lavvew the pandemonium lord
347366 | Zig:4    | Killed Avacin the pandemonium lord
347368 | Zig:4    | Killed Iqeerr the pandemonium lord
347370 | Zig:4    | Killed Bois the pandemonium lord
347370 | Zig:4    | Killed Paucw the pandemonium lord
347376 | Zig:4    | Killed Pavogaem the pandemonium lord
347381 | Zig:4    | Killed Tapt the pandemonium lord
347824 | Zig:5    | Entered Level 5 of a ziggurat
348123 | Zig:5    | Identified the ring "Upaog" {rF+ Will+ Dex+3}
348138 | Zig:6    | Entered Level 6 of a ziggurat
348138 | Zig:6    | Noticed an ancient lich
348140 | Zig:6    | Killed an ancient lich
348142 | Zig:6    | Noticed a dread lich
348145 | Zig:6    | Killed a dread lich
348455 | Zig:6    | Identified the staff of earth "Rycan" {rPois Str+2}
348457 | Zig:6    | Identified the staff of air "Juvvan Lily" {rElec rF+}
348473 | Zig:6    | Identified the +2 scimitar "Meseogi" {heavy, rF- rC++
                  | Will++}
348502 | Zig:7    | Entered Level 7 of a ziggurat
348726 | Zig:7    | Identified the +1 rapier "Buoluny" {flame, rF- Str+3 Int+3
                  | SInv}
348729 | Zig:7    | Identified the +5 rapier of Saoriatok {freeze, Int+6}
348731 | Zig:7    | Identified the +9 war axe "Gorigh" {heavy, rPois}
348752 | Zig:7    | Identified the ring of Zuruj {rC++ rCorr MP-9 Int+5}
348992 | Zig:8    | Entered Level 8 of a ziggurat
349926 | Zig:8    | Identified the +4 leather armour "Jopt" {rN+ Stlth+}
349935 | Zig:8    | Identified the +1 scale mail of Going Fast {Rampage +Blink
                  | rElec Dex+2}
349942 | Zig:8    | Identified the ring of the Country {rF+ Str+4 Slay+2}
349950 | Zig:8    | Identified the +6 falchion of Becola Gacosm {freeze, Int+4}
349951 | Zig:8    | Identified the +3 hand axe "Omoritt Kada" {heavy, rElec
                  | rPois Will+ SInv}
349954 | Zig:8    | Identified the +1 leather armour "Kuwn" {rElec rC+ SInv}
349980 | Zig:9    | Entered Level 9 of a ziggurat
349980 | Zig:9    | Noticed an ancient lich
349980 | Zig:9    | Noticed an ancient lich
349980 | Zig:9    | Noticed a dread lich
349980 | Zig:9    | Noticed a dread lich
349980 | Zig:9    | Noticed a dread lich
349980 | Zig:9    | Noticed a dread lich
349980 | Zig:9    | Noticed an ancient lich
349980 | Zig:9    | Noticed a dread lich
349980 | Zig:9    | Noticed an ancient lich
349980 | Zig:9    | Noticed an ancient lich
349980 | Zig:9    | Noticed a dread lich
349980 | Zig:9    | Noticed an ancient lich
349980 | Zig:9    | Noticed an ancient lich
349980 | Zig:9    | Noticed a dread lich
349980 | Zig:9    | Noticed a dread lich
349981 | Zig:9    | Killed a dread lich
349981 | Zig:9    | Killed a dread lich
349981 | Zig:9    | Killed an ancient lich
349981 | Zig:9    | Killed an ancient lich
349982 | Zig:9    | Noticed an ancient lich
349982 | Zig:9    | Noticed an ancient lich
349983 | Zig:9    | Noticed a dread lich
349983 | Zig:9    | Noticed an ancient lich
349983 | Zig:9    | Noticed an ancient lich
349983 | Zig:9    | Noticed an ancient lich
349984 | Zig:9    | Noticed a dread lich
349984 | Zig:9    | Noticed a dread lich
349984 | Zig:9    | Noticed a dread lich
349984 | Zig:9    | Noticed an ancient lich
349984 | Zig:9    | Killed an ancient lich
349984 | Zig:9    | Killed an ancient lich
349984 | Zig:9    | Noticed an ancient lich
349985 | Zig:9    | Noticed a dread lich
349985 | Zig:9    | Noticed an ancient lich
349985 | Zig:9    | Killed a dread lich
349985 | Zig:9    | Killed a dread lich
349985 | Zig:9    | Killed an ancient lich
349985 | Zig:9    | Killed a dread lich
349986 | Zig:9    | Killed an ancient lich
349986 | Zig:9    | Killed a dread lich
349986 | Zig:9    | Killed a dread lich
349986 | Zig:9    | Killed an ancient lich
349986 | Zig:9    | Killed a dread lich
349986 | Zig:9    | Killed an ancient lich
349986 | Zig:9    | Killed an ancient lich
349986 | Zig:9    | Killed an ancient lich
349986 | Zig:9    | Killed a dread lich
349986 | Zig:9    | Killed an ancient lich
349986 | Zig:9    | Killed a dread lich
349986 | Zig:9    | Killed an ancient lich
349986 | Zig:9    | Killed an ancient lich
349987 | Zig:9    | Noticed a dread lich
349987 | Zig:9    | Noticed an ancient lich
349987 | Zig:9    | Noticed an ancient lich
349987 | Zig:9    | Noticed a dread lich
349987 | Zig:9    | Killed an ancient lich
349988 | Zig:9    | Noticed an ancient lich
349988 | Zig:9    | Noticed an ancient lich
349988 | Zig:9    | Noticed a dread lich
349988 | Zig:9    | Killed a dread lich
349988 | Zig:9    | Killed a dread lich
349988 | Zig:9    | Killed a dread lich
349988 | Zig:9    | Noticed an ancient lich
349990 | Zig:9    | Noticed an ancient lich
349990 | Zig:9    | Noticed an ancient lich
349991 | Zig:9    | Noticed an ancient lich
349991 | Zig:9    | Killed an ancient lich
349991 | Zig:9    | Killed a dread lich
349991 | Zig:9    | Killed a dread lich
349991 | Zig:9    | Killed an ancient lich
349991 | Zig:9    | Killed a dread lich
349995 | Zig:9    | Killed an ancient lich
349995 | Zig:9    | Killed an ancient lich
349995 | Zig:9    | Killed an ancient lich
349995 | Zig:9    | Killed an ancient lich
349995 | Zig:9    | Killed an ancient lich
349995 | Zig:9    | Killed an ancient lich
349996 | Zig:9    | Killed an ancient lich
350106 | Zig:9    | Identified the ring of Niufuth {rC+ AC+4}
350109 | Zig:9    | Identified the +2 dagger of Prudence {freeze, Str+5 Int-5
                  | Stlth+}
350121 | Zig:9    | Identified the ring "Lujus" {Fly Stlth+}
350127 | Zig:9    | Identified the staff of air "Odaeso" {rElec rPois rF++ rN+}
350411 | Zig:10   | Entered Level 10 of a ziggurat
350800 | Zig:10   | Identified the staff of cold "Atyagir" {rC+ rCorr Dex+3}
350804 | Zig:10   | Identified the staff of poison "Acyt" {rPois rC- rN+ Str+3
                  | Dex+4}
350808 | Zig:10   | Identified the ring of Qongy {Ice rElec rN+ MP+9 Stlth+}
350816 | Zig:10   | Identified the staff of poison "Paefi" {rElec rPois Will+
                  | Str+4}
350826 | Zig:10   | Identified the +6 trident of Wiwa {drain, rC+ rCorr Stlth+}
350837 | Zig:11   | Entered Level 11 of a ziggurat
350837 | Zig:11   | Noticed a royal mummy
350837 | Zig:11   | Noticed a royal mummy
350837 | Zig:11   | Noticed a royal mummy
350837 | Zig:11   | Noticed a royal mummy
350837 | Zig:11   | Noticed a royal mummy
350837 | Zig:11   | Noticed a royal mummy
350837 | Zig:11   | Noticed a royal mummy
350838 | Zig:11   | Killed a royal mummy
350838 | Zig:11   | Killed a royal mummy
350838 | Zig:11   | Killed a royal mummy
350838 | Zig:11   | Killed a royal mummy
350838 | Zig:11   | Killed a royal mummy
350838 | Zig:11   | Killed a royal mummy
350839 | Zig:11   | Noticed a royal mummy
350839 | Zig:11   | Noticed a royal mummy
350841 | Zig:11   | Noticed a royal mummy
350841 | Zig:11   | Noticed a royal mummy
350841 | Zig:11   | Noticed a royal mummy
350841 | Zig:11   | Noticed a royal mummy
350841 | Zig:11   | Noticed a royal mummy
350842 | Zig:11   | Noticed a royal mummy
350844 | Zig:11   | Noticed a royal mummy
350844 | Zig:11   | Noticed a royal mummy
350844 | Zig:11   | Noticed a royal mummy
350845 | Zig:11   | Noticed a royal mummy
350845 | Zig:11   | Noticed a royal mummy
350846 | Zig:11   | Noticed a royal mummy
350846 | Zig:11   | Noticed a royal mummy
350846 | Zig:11   | Noticed a royal mummy
350847 | Zig:11   | Killed a royal mummy
350847 | Zig:11   | Killed a royal mummy
350847 | Zig:11   | Killed a royal mummy
350847 | Zig:11   | Killed a royal mummy
350847 | Zig:11   | Killed a royal mummy
350847 | Zig:11   | Killed a royal mummy
350847 | Zig:11   | Killed a royal mummy
350847 | Zig:11   | Killed a royal mummy
350847 | Zig:11   | Killed a royal mummy
350847 | Zig:11   | Killed a royal mummy
350847 | Zig:11   | Killed a royal mummy
350847 | Zig:11   | Killed a royal mummy
350847 | Zig:11   | Noticed a royal mummy
350848 | Zig:11   | Killed a royal mummy
350848 | Zig:11   | Killed a royal mummy
350848 | Zig:11   | Killed a royal mummy
350848 | Zig:11   | Killed a royal mummy
350850 | Zig:11   | Killed a royal mummy
350850 | Zig:11   | Killed a royal mummy
350850 | Zig:11   | Noticed a royal mummy
350850 | Zig:11   | Noticed a royal mummy
350852 | Zig:11   | Noticed a royal mummy
350853 | Zig:11   | Noticed a royal mummy
350854 | Zig:11   | Noticed a royal mummy
350855 | Zig:11   | Noticed a royal mummy
350856 | Zig:11   | Killed a royal mummy
350856 | Zig:11   | Killed a royal mummy
350856 | Zig:11   | Killed a royal mummy
350857 | Zig:11   | Noticed a royal mummy
350861 | Zig:11   | Killed a royal mummy
350862 | Zig:11   | Killed a royal mummy
350862 | Zig:11   | Killed a royal mummy
350862 | Zig:11   | Killed a royal mummy
350986 | Zig:11   | Identified the +5 demon whip "Azoh" {drain, *Rage rElec
                  | Str+6 Stlth+}
350987 | Zig:11   | Identified the +9 great sword of Otwazxof {flame, Dex+5
                  | Stlth+}
350994 | Zig:11   | Identified the staff of poison "Ikuibre" {rPois Str-2 Dex+2
                  | SInv}
351002 | Zig:11   | Identified the +1 falchion of the Eggplant {flame, rElec
                  | Will+ rCorr Str-2}
351333 | Zig:11   | Identified the +3 flail of Teyses {flame, SInv}
351367 | Zig:12   | Entered Level 12 of a ziggurat
351755 | Zig:12   | Identified the ring "Wuxoihut" {Fly rC- rN+ rCorr Int+3}
351770 | Zig:12   | Identified the staff of earth "Leoxzome" {rC+++ rN+++ Int+2
                  | Dex-2}
351775 | Zig:12   | Identified the +2 spear "Pendulum" {freeze, Will+ Int+2
                  | Dex+3}
351798 | Zig:12   | Identified the ring of Yleor {rN+ Int+7 Slay+4}
351802 | Zig:12   | Identified the +8 falchion of Invincibility {drain, Int+4}
351817 | Zig:12   | Identified the +2 scale mail of the Guild-Master {rCorr
                  | Str+2 Dex-4}
351820 | Zig:12   | Identified the ring "Fiufoso" {rPois Str+4 Int+5}
351871 | Zig:13   | Entered Level 13 of a ziggurat
352050 | Zig:13   | Identified the orb "Welinlok" {light, rC+}
352066 | Zig:13   | Identified the staff of cold "Apivacan" {rF+ rC+ Str-2
                  | Int+6 SInv}
352074 | Zig:13   | Identified the +1 leather armour of Untruth {Slay+2}
352106 | Zig:13   | Identified the staff of poison "Baruotas" {rPois Dex+3}
352124 | Zig:13   | Identified the +1 leather armour "Rannaro" {Will+ Dex+3}
352125 | Zig:13   | Identified the +2 war axe "Jouvinev" {heavy, Str+7}
352127 | Zig:13   | Identified the +6 dagger "Qemeha" {elec, Fly rC+ Str+3}
352142 | Zig:13   | Identified the +7 sling of the Pit {speed, Str+3}
352608 | Zig:14   | Entered Level 14 of a ziggurat
353269 | Zig:14   | Identified the +10 plate armour "Coick" {rElec}
353271 | Zig:14   | Identified the +3 glaive of Nuojor {vamp, Fly rElec SInv}
353335 | Zig:14   | Identified the ring of Foolhardiness {Drain rC+ Str+3
                  | Int+4}
353353 | Zig:14   | Identified the +2 ring mail "Uscheiz" {rElec rF+ rCorr}
353367 | Zig:15   | Entered Level 15 of a ziggurat
353372 | Zig:15   | Noticed a dread lich
353375 | Zig:15   | Killed a dread lich
353660 | Zig:15   | Identified the ring of Hasarhaq {rPois rCorr Int+2 Dex-5
                  | SInv}
353671 | Zig:15   | Identified the staff of death "Fagyas Piqaq" {Contam rF+
                  | rN+ Will+ Dex+2}
353674 | Zig:15   | Identified the +3 scale mail of the Secret Lies {Str+3}
353681 | Zig:15   | Identified the +7 flail "Vin Citzo" {antimagic, Dex+3}
353682 | Zig:15   | Identified the staff of fire "Rudesipu" {+Blink rF+ Stlth+}
353690 | Zig:15   | Identified the ring "Vyruqaon" {rPois rC+ Dex+5}
353691 | Zig:15   | Identified the ring "Aqomp" {rElec rPois}
354139 | Zig:15   | Identified the +0 chain mail of Fodoenk {rC+ Will+ Str+3}
354164 | Zig:16   | Entered Level 16 of a ziggurat
354678 | Zig:16   | Identified the ring "Diuphimu" {+Blink rPois}
354685 | Zig:16   | Identified the +1 shortbow "Quiq" {freeze, rF- Dex+7}
354716 | Zig:16   | Identified the +4 war axe of Moral Flaws {antimagic, rElec
                  | rPois rF- Stlth+}
354718 | Zig:16   | Identified the +8 war axe "Zitzaex" {freeze, *Rage Int+6}
355082 | Zig:17   | Entered Level 17 of a ziggurat
355260 | Zig:17   | Identified the ring "Budghik" {Ice rElec Int+6 Slay-2}
355265 | Zig:17   | Identified the +4 chain mail "Vull" {Fly rElec Regen+
                  | Dex-3}
355272 | Zig:17   | Identified the staff of conjuration "Ani Main" {rElec
                  | rCorr}
355281 | Zig:17   | Identified the +5 leather armour of Vyafeh {Harm}
355285 | Zig:17   | Identified the ring of Rot Furgh {rN+ Str+2 Dex+4}
355296 | Zig:17   | Identified the +1 helmet "Teeconomi" {Fly rN+ Int-2 Dex+4}
355308 | Zig:17   | Identified the +5 scale mail of Ytreymmu {rC- Str+4 Int+5}
355815 | Zig:17   | Identified the +1 spear "Joedaido" {antimagic, Int+3 Dex+4}
355834 | Zig:18   | Entered Level 18 of a ziggurat
355834 | Zig:18   | Noticed a dread lich
355834 | Zig:18   | Noticed a dread lich
355834 | Zig:18   | Noticed an ancient lich
355834 | Zig:18   | Noticed an ancient lich
355834 | Zig:18   | Noticed a dread lich
355834 | Zig:18   | Noticed a dread lich
355834 | Zig:18   | Noticed an ancient lich
355834 | Zig:18   | Noticed an ancient lich
355834 | Zig:18   | Noticed an ancient lich
355834 | Zig:18   | Noticed a dread lich
355834 | Zig:18   | Noticed an ancient lich
355835 | Zig:18   | Killed a dread lich
355835 | Zig:18   | Killed a dread lich
355835 | Zig:18   | Killed an ancient lich
355835 | Zig:18   | Killed a dread lich
355835 | Zig:18   | Killed an ancient lich
355835 | Zig:18   | Killed an ancient lich
355835 | Zig:18   | Killed an ancient lich
355835 | Zig:18   | Killed a dread lich
355836 | Zig:18   | Killed a dread lich
355836 | Zig:18   | Killed an ancient lich
355836 | Zig:18   | Killed an ancient lich
355838 | Zig:18   | Noticed an ancient lich
355838 | Zig:18   | Noticed an ancient lich
355838 | Zig:18   | Noticed an ancient lich
355839 | Zig:18   | Noticed a dread lich
355840 | Zig:18   | Noticed a dread lich
355840 | Zig:18   | Noticed an ancient lich
355841 | Zig:18   | Noticed an ancient lich
355841 | Zig:18   | Killed a dread lich
355841 | Zig:18   | Killed an ancient lich
355841 | Zig:18   | Killed an ancient lich
355842 | Zig:18   | Noticed a dread lich
355842 | Zig:18   | Noticed a dread lich
355842 | Zig:18   | Noticed a dread lich
355842 | Zig:18   | Noticed an ancient lich
355842 | Zig:18   | Killed a dread lich
355842 | Zig:18   | Noticed a dread lich
355843 | Zig:18   | Noticed a dread lich
355843 | Zig:18   | Noticed an ancient lich
355843 | Zig:18   | Noticed an ancient lich
355843 | Zig:18   | Noticed a dread lich
355843 | Zig:18   | Noticed a dread lich
355843 | Zig:18   | Noticed a dread lich
355843 | Zig:18   | Killed an ancient lich
355844 | Zig:18   | Noticed a dread lich
355844 | Zig:18   | Noticed an ancient lich
355844 | Zig:18   | Noticed an ancient lich
355844 | Zig:18   | Noticed an ancient lich
355844 | Zig:18   | Noticed a dread lich
355845 | Zig:18   | Killed an ancient lich
355845 | Zig:18   | Killed a dread lich
355845 | Zig:18   | Killed an ancient lich
355845 | Zig:18   | Killed a dread lich
355845 | Zig:18   | Killed a dread lich
355845 | Zig:18   | Killed a dread lich
355845 | Zig:18   | Killed a dread lich
355845 | Zig:18   | Killed an ancient lich
355845 | Zig:18   | Killed an ancient lich
355845 | Zig:18   | Killed an ancient lich
355846 | Zig:18   | Noticed a dread lich
355846 | Zig:18   | Noticed a dread lich
355846 | Zig:18   | Noticed a dread lich
355847 | Zig:18   | Noticed a dread lich
355848 | Zig:18   | Noticed an ancient lich
355849 | Zig:18   | Killed a dread lich
355849 | Zig:18   | Killed a dread lich
355849 | Zig:18   | Killed a dread lich
355849 | Zig:18   | Killed a dread lich
355849 | Zig:18   | Killed a dread lich
355849 | Zig:18   | Killed an ancient lich
355849 | Zig:18   | Killed a dread lich
355849 | Zig:18   | Killed a dread lich
355849 | Zig:18   | Killed an ancient lich
355849 | Zig:18   | Killed a dread lich
355849 | Zig:18   | Noticed a dread lich
355849 | Zig:18   | Noticed a dread lich
355849 | Zig:18   | Noticed an ancient lich
355850 | Zig:18   | Killed an ancient lich
355850 | Zig:18   | Killed a dread lich
355850 | Zig:18   | Killed a dread lich
355850 | Zig:18   | Killed an ancient lich
355850 | Zig:18   | Killed an ancient lich
355850 | Zig:18   | Killed a dread lich
355850 | Zig:18   | Killed a dread lich
355853 | Zig:18   | Noticed an ancient lich
355853 | Zig:18   | Noticed a dread lich
355854 | Zig:18   | Noticed an ancient lich
355855 | Zig:18   | Noticed a dread lich
355855 | Zig:18   | Noticed a dread lich
355856 | Zig:18   | Noticed an ancient lich
355857 | Zig:18   | Noticed an ancient lich
355857 | Zig:18   | Killed a dread lich
355857 | Zig:18   | Killed a dread lich
355857 | Zig:18   | Killed an ancient lich
355857 | Zig:18   | Killed an ancient lich
355857 | Zig:18   | Killed a dread lich
355857 | Zig:18   | Noticed an ancient lich
355858 | Zig:18   | Killed an ancient lich
355859 | Zig:18   | Noticed an ancient lich
355859 | Zig:18   | Noticed an ancient lich
355860 | Zig:18   | Killed an ancient lich
355861 | Zig:18   | Noticed a dread lich
355862 | Zig:18   | Killed an ancient lich
355862 | Zig:18   | Noticed a dread lich
355864 | Zig:18   | Noticed an ancient lich
355865 | Zig:18   | Killed an ancient lich
355865 | Zig:18   | Killed a dread lich
355866 | Zig:18   | Killed an ancient lich
355866 | Zig:18   | Killed a dread lich
355869 | Zig:18   | Killed an ancient lich
356552 | Zig:18   | Identified the +6 lajatang of Dominance {flame, rElec
                  | Str+3}
356562 | Zig:18   | Identified the staff of air "Punnanaidi" {rElec Int+4}
356566 | Zig:18   | Identified the ring of Equivalence {Fly rF++ Str+6 Int-3}
356570 | Zig:18   | Identified the staff of poison "Cugahub" {rPois rC+ Will+
                  | rCorr}
356588 | Zig:18   | Identified the staff of poison "Yfuid" {rElec rPois rF+++
                  | Str-5 Int-2}
356594 | Zig:18   | Identified the +11 mace of the Gazing Hummingbird {freeze,
                  | rPois Str+3}
356599 | Zig:18   | Identified the +4 battleaxe of Arucw {protect, rC+ rN+
                  | Dex+4}
356602 | Zig:18   | Identified the +9 mace of Causality {flame, *Slow rF+++ rC+
                  | Dex+2}
356634 | Zig:19   | Entered Level 19 of a ziggurat
356639 | Zig:19   | Paralysed by an air elemental for 1 turns
356825 | Zig:19   | Identified the +5 quarterstaff "Aclyon" {freeze, Fly Int+3}
357042 | Zig:19   | Identified the ring "Hipneuf" {Str+6 Dex+4}
357055 | Zig:19   | Identified the staff of conjuration "Fyodick" {rF++ Dex-3}
357057 | Zig:19   | Identified the +1 arbalest of Ligogih {drain, Int+4}
357066 | Zig:19   | Identified the ring of Zecourut {Fly rF+ Str+3 Int-5}
357580 | Zig:19   | Identified the staff of conjuration "Madoi" {+Blink rElec
                  | Int+5 Dex-2}
357656 | Zig:20   | Entered Level 20 of a ziggurat
357656 | Zig:20   | Noticed a dread lich
357656 | Zig:20   | Noticed a dread lich
357656 | Zig:20   | Noticed a dread lich
357656 | Zig:20   | Noticed an ancient lich
357656 | Zig:20   | Noticed a dread lich
357656 | Zig:20   | Noticed an ancient lich
357656 | Zig:20   | Noticed an ancient lich
357656 | Zig:20   | Noticed a dread lich
357656 | Zig:20   | Noticed a dread lich
357656 | Zig:20   | Noticed an ancient lich
357656 | Zig:20   | Noticed an ancient lich
357656 | Zig:20   | Noticed a dread lich
357656 | Zig:20   | Noticed a dread lich
357656 | Zig:20   | Noticed an ancient lich
357657 | Zig:20   | Noticed a dread lich
357657 | Zig:20   | Noticed a dread lich
357657 | Zig:20   | Noticed a dread lich
357657 | Zig:20   | Noticed an ancient lich
357658 | Zig:20   | Killed a dread lich
357658 | Zig:20   | Killed a dread lich
357658 | Zig:20   | Killed an ancient lich
357658 | Zig:20   | Killed a dread lich
357658 | Zig:20   | Killed an ancient lich
357658 | Zig:20   | Killed an ancient lich
357658 | Zig:20   | Killed a dread lich
357658 | Zig:20   | Noticed a dread lich
357659 | Zig:20   | Noticed an ancient lich
357659 | Zig:20   | Noticed an ancient lich
357660 | Zig:20   | Killed a dread lich
357660 | Zig:20   | Killed a dread lich
357660 | Zig:20   | Killed a dread lich
357660 | Zig:20   | Killed an ancient lich
357660 | Zig:20   | Killed a dread lich
357660 | Zig:20   | Killed an ancient lich
357660 | Zig:20   | Killed a dread lich
357660 | Zig:20   | Killed an ancient lich
357661 | Zig:20   | Killed an ancient lich
357661 | Zig:20   | Killed a dread lich
357661 | Zig:20   | Killed a dread lich
357661 | Zig:20   | Killed an ancient lich
357661 | Zig:20   | Killed a dread lich
357661 | Zig:20   | Killed an ancient lich
357661 | Zig:20   | Noticed an ancient lich
357662 | Zig:20   | Noticed an ancient lich
357662 | Zig:20   | Noticed a dread lich
357662 | Zig:20   | Noticed a dread lich
357663 | Zig:20   | Noticed a dread lich
357663 | Zig:20   | Noticed a dread lich
357664 | Zig:20   | Noticed a dread lich
357664 | Zig:20   | Noticed a dread lich
357664 | Zig:20   | Noticed a dread lich
357665 | Zig:20   | Noticed a dread lich
357665 | Zig:20   | Noticed a dread lich
357665 | Zig:20   | Noticed a dread lich
357666 | Zig:20   | Noticed an ancient lich
357666 | Zig:20   | Noticed an ancient lich
357666 | Zig:20   | Noticed an ancient lich
357666 | Zig:20   | Noticed an ancient lich
357666 | Zig:20   | Killed an ancient lich
357666 | Zig:20   | Noticed an ancient lich
357667 | Zig:20   | Noticed an ancient lich
357667 | Zig:20   | Noticed a dread lich
357667 | Zig:20   | Noticed an ancient lich
357667 | Zig:20   | Noticed a dread lich
357668 | Zig:20   | Noticed a dread lich
357668 | Zig:20   | Noticed an ancient lich
357668 | Zig:20   | Killed an ancient lich
357668 | Zig:20   | Killed an ancient lich
357668 | Zig:20   | Killed a dread lich
357668 | Zig:20   | Killed a dread lich
357668 | Zig:20   | Killed a dread lich
357668 | Zig:20   | Killed an ancient lich
357668 | Zig:20   | Killed an ancient lich
357668 | Zig:20   | Killed an ancient lich
357668 | Zig:20   | Killed a dread lich
357668 | Zig:20   | Killed a dread lich
357668 | Zig:20   | Killed a dread lich
357668 | Zig:20   | Killed a dread lich
357668 | Zig:20   | Killed a dread lich
357668 | Zig:20   | Killed a dread lich
357668 | Zig:20   | Killed an ancient lich
357668 | Zig:20   | Noticed a dread lich
357669 | Zig:20   | Noticed an ancient lich
357669 | Zig:20   | Noticed an ancient lich
357669 | Zig:20   | Killed an ancient lich
357669 | Zig:20   | Killed a dread lich
357669 | Zig:20   | Killed a dread lich
357669 | Zig:20   | Noticed a dread lich
357670 | Zig:20   | Noticed a dread lich
357670 | Zig:20   | Noticed an ancient lich
357670 | Zig:20   | Noticed an ancient lich
357670 | Zig:20   | Killed an ancient lich
357671 | Zig:20   | Noticed an ancient lich
357671 | Zig:20   | Noticed a dread lich
357671 | Zig:20   | Noticed a dread lich
357671 | Zig:20   | Noticed an ancient lich
357671 | Zig:20   | Noticed a dread lich
357672 | Zig:20   | Noticed an ancient lich
357672 | Zig:20   | Noticed a dread lich
357672 | Zig:20   | Noticed a dread lich
357672 | Zig:20   | Noticed a dread lich
357673 | Zig:20   | Noticed an ancient lich
357673 | Zig:20   | Noticed an ancient lich
357673 | Zig:20   | Killed a dread lich
357673 | Zig:20   | Killed an ancient lich
357673 | Zig:20   | Killed a dread lich
357673 | Zig:20   | Killed a dread lich
357673 | Zig:20   | Killed an ancient lich
357673 | Zig:20   | Killed a dread lich
357673 | Zig:20   | Killed an ancient lich
357674 | Zig:20   | Killed a dread lich
357674 | Zig:20   | Killed an ancient lich
357674 | Zig:20   | Killed an ancient lich
357674 | Zig:20   | Killed an ancient lich
357674 | Zig:20   | Killed a dread lich
357674 | Zig:20   | Killed an ancient lich
357674 | Zig:20   | Killed an ancient lich
357674 | Zig:20   | Killed an ancient lich
357674 | Zig:20   | Killed a dread lich
357674 | Zig:20   | Killed a dread lich
357674 | Zig:20   | Killed a dread lich
357674 | Zig:20   | Killed a dread lich
357674 | Zig:20   | Killed an ancient lich
357675 | Zig:20   | Noticed an ancient lich
357675 | Zig:20   | Noticed an ancient lich
357675 | Zig:20   | Noticed a dread lich
357677 | Zig:20   | Noticed a dread lich
357678 | Zig:20   | Killed a dread lich
357678 | Zig:20   | Killed a dread lich
357678 | Zig:20   | Killed an ancient lich
357680 | Zig:20   | Noticed a dread lich
357681 | Zig:20   | Noticed a dread lich
357682 | Zig:20   | Noticed a dread lich
357682 | Zig:20   | Noticed a dread lich
357682 | Zig:20   | Noticed a dread lich
357682 | Zig:20   | Noticed an ancient lich
357684 | Zig:20   | Killed an ancient lich
357684 | Zig:20   | Killed a dread lich
357684 | Zig:20   | Killed a dread lich
357684 | Zig:20   | Killed a dread lich
357684 | Zig:20   | Noticed an ancient lich
357685 | Zig:20   | Noticed an ancient lich
357685 | Zig:20   | Noticed a dread lich
357685 | Zig:20   | Noticed an ancient lich
357685 | Zig:20   | Noticed a dread lich
357685 | Zig:20   | Noticed an ancient lich
357686 | Zig:20   | Killed an ancient lich
357686 | Zig:20   | Killed a dread lich
357686 | Zig:20   | Killed a dread lich
357686 | Zig:20   | Killed a dread lich
357686 | Zig:20   | Killed an ancient lich
357686 | Zig:20   | Killed a dread lich
357687 | Zig:20   | Noticed an ancient lich
357687 | Zig:20   | Killed an ancient lich
357687 | Zig:20   | Noticed a dread lich
357688 | Zig:20   | Noticed a dread lich
357688 | Zig:20   | Noticed a dread lich
357688 | Zig:20   | Noticed an ancient lich
357688 | Zig:20   | Killed an ancient lich
357688 | Zig:20   | Noticed an ancient lich
357689 | Zig:20   | Noticed an ancient lich
357689 | Zig:20   | Noticed a dread lich
357690 | Zig:20   | Killed a dread lich
357690 | Zig:20   | Killed a dread lich
357690 | Zig:20   | Killed an ancient lich
357690 | Zig:20   | Killed an ancient lich
357691 | Zig:20   | Killed a dread lich
357691 | Zig:20   | Killed a dread lich
357691 | Zig:20   | Killed an ancient lich
357691 | Zig:20   | Killed an ancient lich
357691 | Zig:20   | Killed a dread lich
357691 | Zig:20   | Killed an ancient lich
358451 | Zig:20   | Identified the +2 sling of the Poles {flame, rF+ rN+}
358473 | Zig:20   | Identified the +5 great sword of the Stopping Gods {heavy,
                  | Will+ Stlth+}
358495 | Zig:20   | Identified the +8 dagger of Death's Door {flame, Will+++
                  | Str-2 Int-4 Dex+8}
358496 | Zig:20   | Identified the ring "Aczeng" {+Blink rF- rN+ Str+9 Int-5}
358509 | Zig:20   | Identified the ring "Merr" {+Blink rC+ rN+ Will- EV+5}
358510 | Zig:20   | Identified the +1 cloak of Context {Contam rPois Will+}
358526 | Zig:20   | Identified the +2 pair of gloves "Bac Odeu" {rC+}
358534 | Zig:20   | Identified the ring of Fegy {Drain Fly Will++ Str+4}
358536 | Zig:20   | Identified the staff of death "Jaudifim" {rN+ Str+7}
358546 | Zig:20   | Identified the +3 chain mail of the Vacuum {rPois rCorr
                  | Dex+4 Slay+3}
358547 | Zig:20   | Identified the +4 dagger of Excruciating Pain {freeze, Fly
                  | rF- Dex+4}
358555 | Zig:20   | Identified the +1 leather armour "Haoneoll" {Drain +Blink
                  | rElec rC++}
358560 | Zig:20   | Identified the staff of air "Mahu" {rElec Dex+2}
358563 | Zig:20   | Identified the staff of death "Tifuh" {rN+ Dex+3}
358565 | Zig:20   | Identified the +4 whip "Liesuc" {drain, Fly rPois Int+2}
358584 | Zig:21   | Entered Level 21 of a ziggurat
358584 | Zig:21   | Noticed Luikk the pandemonium lord
358584 | Zig:21   | Noticed Qefepsoudi the pandemonium lord
358584 | Zig:21   | Noticed Mecac the pandemonium lord
358584 | Zig:21   | Noticed Leryum the pandemonium lord
358584 | Zig:21   | Noticed Torezaepp the pandemonium lord
358584 | Zig:21   | Noticed Tudinih the pandemonium lord
358584 | Zig:21   | Noticed Mixko the pandemonium lord
358584 | Zig:21   | Noticed Vedao the pandemonium lord
358584 | Zig:21   | Noticed Nymemon the pandemonium lord
358584 | Zig:21   | Noticed Sajaolui the pandemonium lord
358584 | Zig:21   | Noticed Edakux the pandemonium lord
358584 | Zig:21   | Noticed Epopol the pandemonium lord
358584 | Zig:21   | Noticed Jovy the pandemonium lord
358584 | Zig:21   | Noticed Zumesk the pandemonium lord
358584 | Zig:21   | Noticed Vykefek the pandemonium lord
358584 | Zig:21   | Noticed Duuchouth the pandemonium lord
358584 | Zig:21   | Noticed Yskuyc the pandemonium lord
358584 | Zig:21   | Noticed Qoiroeni the pandemonium lord
358584 | Zig:21   | Noticed Gaho the pandemonium lord
358584 | Zig:21   | Noticed Xympo the pandemonium lord
358584 | Zig:21   | Noticed Iplaycib the pandemonium lord
358584 | Zig:21   | Noticed Waore the pandemonium lord
358584 | Zig:21   | Noticed Poreadwunia the pandemonium lord
358584 | Zig:21   | Noticed Sizxuro the pandemonium lord
358584 | Zig:21   | Noticed Minish the pandemonium lord
358584 | Zig:21   | Noticed Jitt the pandemonium lord
358584 | Zig:21   | Noticed Vumusim the pandemonium lord
358584 | Zig:21   | Noticed Nesikkugg the pandemonium lord
358585 | Zig:21   | Killed Tudinih the pandemonium lord
358585 | Zig:21   | Killed Nymemon the pandemonium lord
358585 | Zig:21   | Killed Leryum the pandemonium lord
358585 | Zig:21   | Killed Iplaycib the pandemonium lord
358585 | Zig:21   | Killed Yskuyc the pandemonium lord
358585 | Zig:21   | Killed Zumesk the pandemonium lord
358585 | Zig:21   | Killed Duuchouth the pandemonium lord
358585 | Zig:21   | Killed Minish the pandemonium lord
358586 | Zig:21   | Noticed Soaskuof the pandemonium lord
358586 | Zig:21   | Noticed Nimaess the pandemonium lord
358587 | Zig:21   | Noticed Waan the pandemonium lord
358587 | Zig:21   | Killed Gaho the pandemonium lord
358587 | Zig:21   | Killed Vumusim the pandemonium lord
358587 | Zig:21   | Killed Sizxuro the pandemonium lord
358587 | Zig:21   | Killed Mixko the pandemonium lord
358587 | Zig:21   | Killed Qefepsoudi the pandemonium lord
358587 | Zig:21   | Killed Edakux the pandemonium lord
358587 | Zig:21   | Noticed Jyrih the pandemonium lord
358588 | Zig:21   | Killed Waore the pandemonium lord
358588 | Zig:21   | Killed Xympo the pandemonium lord
358588 | Zig:21   | Killed Poreadwunia the pandemonium lord
358588 | Zig:21   | Killed Jovy the pandemonium lord
358588 | Zig:21   | Killed Mecac the pandemonium lord
358588 | Zig:21   | Killed Soaskuof the pandemonium lord
358588 | Zig:21   | Killed Epopol the pandemonium lord
358588 | Zig:21   | Killed Vedao the pandemonium lord
358588 | Zig:21   | Noticed Emian the pandemonium lord
358588 | Zig:21   | Noticed Zaazuoc the pandemonium lord
358588 | Zig:21   | Noticed Avadowk the pandemonium lord
358589 | Zig:21   | Killed Sajaolui the pandemonium lord
358589 | Zig:21   | Killed Nesikkugg the pandemonium lord
358589 | Zig:21   | Killed Vykefek the pandemonium lord
358589 | Zig:21   | Killed Qoiroeni the pandemonium lord
358590 | Zig:21   | Noticed Yhuerphuz the pandemonium lord
358590 | Zig:21   | Noticed Kuejie the pandemonium lord
358590 | Zig:21   | Noticed Hest the pandemonium lord
358590 | Zig:21   | Noticed Muitas the pandemonium lord
358590 | Zig:21   | Noticed Foutzela the pandemonium lord
358590 | Zig:21   | Noticed Olawn the pandemonium lord
358590 | Zig:21   | Noticed Jax Dues the pandemonium lord
358590 | Zig:21   | Killed Nimaess the pandemonium lord
358590 | Zig:21   | Noticed Buex the pandemonium lord
358590 | Zig:21   | Noticed Dowaicy the pandemonium lord
358591 | Zig:21   | Noticed Enuugr Coano the pandemonium lord
358591 | Zig:21   | Killed Torezaepp the pandemonium lord
358591 | Zig:21   | Killed Luikk the pandemonium lord
358591 | Zig:21   | Killed Jyrih the pandemonium lord
358591 | Zig:21   | Killed Waan the pandemonium lord
358591 | Zig:21   | Noticed Betuff the pandemonium lord
358592 | Zig:21   | Noticed Japsyt the pandemonium lord
358592 | Zig:21   | Killed Enuugr Coano the pandemonium lord
358592 | Zig:21   | Killed Foutzela the pandemonium lord
358592 | Zig:21   | Killed Jitt the pandemonium lord
358593 | Zig:21   | Noticed Adount the pandemonium lord
358593 | Zig:21   | Noticed Xekiahitz the pandemonium lord
358593 | Zig:21   | Noticed Bekogra the pandemonium lord
358593 | Zig:21   | Noticed Cuhet the pandemonium lord
358593 | Zig:21   | Noticed Ymunavogeo the pandemonium lord
358593 | Zig:21   | Noticed Xupak the pandemonium lord
358593 | Zig:21   | Killed Kuejie the pandemonium lord
358593 | Zig:21   | Killed Yhuerphuz the pandemonium lord
358593 | Zig:21   | Killed Dowaicy the pandemonium lord
358593 | Zig:21   | Noticed Giemuf the pandemonium lord
358593 | Zig:21   | Noticed Muunwaru the pandemonium lord
358594 | Zig:21   | Killed Emian the pandemonium lord
358594 | Zig:21   | Killed Zaazuoc the pandemonium lord
358594 | Zig:21   | Killed Olawn the pandemonium lord
358595 | Zig:21   | Noticed Lyusa the pandemonium lord
358595 | Zig:21   | Killed Muitas the pandemonium lord
358595 | Zig:21   | Killed Jax Dues the pandemonium lord
358595 | Zig:21   | Killed Japsyt the pandemonium lord
358595 | Zig:21   | Killed Betuff the pandemonium lord
358595 | Zig:21   | Noticed Animn the pandemonium lord
358595 | Zig:21   | Killed Buex the pandemonium lord
358595 | Zig:21   | Noticed Cedghot the pandemonium lord
358596 | Zig:21   | Noticed Reex the pandemonium lord
358596 | Zig:21   | Killed Avadowk the pandemonium lord
358596 | Zig:21   | Noticed Xoggea the pandemonium lord
358596 | Zig:21   | Noticed Wicot the pandemonium lord
358596 | Zig:21   | Noticed Baolim the pandemonium lord
358596 | Zig:21   | Noticed Bouqaiph the pandemonium lord
358596 | Zig:21   | Noticed Kydies the pandemonium lord
358597 | Zig:21   | Noticed Jotozelay the pandemonium lord
358597 | Zig:21   | Noticed Moammud the pandemonium lord
358597 | Zig:21   | Noticed Nyddonn the pandemonium lord
358597 | Zig:21   | Noticed Perig the pandemonium lord
358598 | Zig:21   | Noticed Zoecai the pandemonium lord
358598 | Zig:21   | Noticed Teixto the pandemonium lord
358598 | Zig:21   | Noticed Winorhy the pandemonium lord
358598 | Zig:21   | Noticed Cast the pandemonium lord
358598 | Zig:21   | Noticed Xosouf the pandemonium lord
358599 | Zig:21   | Killed Moammud the pandemonium lord
358599 | Zig:21   | Noticed Ikluted the pandemonium lord
358600 | Zig:21   | Noticed Qebluim the pandemonium lord
358600 | Zig:21   | Killed Adount the pandemonium lord
358600 | Zig:21   | Killed Xosouf the pandemonium lord
358600 | Zig:21   | Noticed Ganur the pandemonium lord
358600 | Zig:21   | Noticed Qouxt the pandemonium lord
358601 | Zig:21   | Noticed Tiyquelaz the pandemonium lord
358601 | Zig:21   | Noticed Yfeonwo the pandemonium lord
358601 | Zig:21   | Noticed Reus Cios the pandemonium lord
358601 | Zig:21   | Noticed Opluy the pandemonium lord
358602 | Zig:21   | Noticed Cuegui Orupn the pandemonium lord
358602 | Zig:21   | Noticed Kut Jav the pandemonium lord
358603 | Zig:21   | Noticed Ledag the pandemonium lord
358603 | Zig:21   | Noticed Unwiwn the pandemonium lord
358603 | Zig:21   | Noticed Baebyvum the pandemonium lord
358604 | Zig:21   | Noticed Erchaliv the pandemonium lord
358605 | Zig:21   | Killed Muunwaru the pandemonium lord
358605 | Zig:21   | Killed Hest the pandemonium lord
358605 | Zig:21   | Killed Lyusa the pandemonium lord
358605 | Zig:21   | Noticed Vuqean the pandemonium lord
358606 | Zig:21   | Noticed Cuemuts the pandemonium lord
358606 | Zig:21   | Noticed Ufaol the pandemonium lord
358607 | Zig:21   | Noticed Baralill the pandemonium lord
358608 | Zig:21   | Noticed Lizog the pandemonium lord
358608 | Zig:21   | Noticed Porphuvvo the pandemonium lord
358609 | Zig:21   | Noticed Duvepuo the pandemonium lord
358610 | Zig:21   | Noticed Fatzerph the pandemonium lord
358610 | Zig:21   | Killed Bouqaiph the pandemonium lord
358610 | Zig:21   | Noticed Voyl the pandemonium lord
358611 | Zig:21   | Killed Wicot the pandemonium lord
358611 | Zig:21   | Killed Cedghot the pandemonium lord
358611 | Zig:21   | Killed Giemuf the pandemonium lord
358611 | Zig:21   | Killed Fatzerph the pandemonium lord
358611 | Zig:21   | Killed Zoecai the pandemonium lord
358611 | Zig:21   | Killed Lizog the pandemonium lord
358611 | Zig:21   | Killed Ikluted the pandemonium lord
358611 | Zig:21   | Killed Ufaol the pandemonium lord
358611 | Zig:21   | Killed Baralill the pandemonium lord
358611 | Zig:21   | Killed Qebluim the pandemonium lord
358611 | Zig:21   | Killed Xekiahitz the pandemonium lord
358611 | Zig:21   | Killed Reex the pandemonium lord
358611 | Zig:21   | Killed Ledag the pandemonium lord
358611 | Zig:21   | Killed Erchaliv the pandemonium lord
358611 | Zig:21   | Killed Ymunavogeo the pandemonium lord
358611 | Zig:21   | Killed Reus Cios the pandemonium lord
358611 | Zig:21   | Killed Tiyquelaz the pandemonium lord
358611 | Zig:21   | Killed Winorhy the pandemonium lord
358611 | Zig:21   | Killed Ganur the pandemonium lord
358611 | Zig:21   | Killed Animn the pandemonium lord
358611 | Zig:21   | Noticed Cufouj the pandemonium lord
358611 | Zig:21   | Noticed Dumure the pandemonium lord
358611 | Zig:21   | Noticed Cicotif the pandemonium lord
358611 | Zig:21   | Noticed Zamepnee the pandemonium lord
358612 | Zig:21   | Killed Opluy the pandemonium lord
358617 | Zig:21   | Killed Xoggea the pandemonium lord
358620 | Zig:21   | Killed Voyl the pandemonium lord
358620 | Zig:21   | Killed Nyddonn the pandemonium lord
358620 | Zig:21   | Killed Porphuvvo the pandemonium lord
358620 | Zig:21   | Killed Baolim the pandemonium lord
358620 | Zig:21   | Killed Cuegui Orupn the pandemonium lord
358621 | Zig:21   | Killed Yfeonwo the pandemonium lord
358621 | Zig:21   | Killed Qouxt the pandemonium lord
358622 | Zig:21   | Killed Cuemuts the pandemonium lord
358622 | Zig:21   | Killed Jotozelay the pandemonium lord
358622 | Zig:21   | Killed Bekogra the pandemonium lord
358623 | Zig:21   | Killed Cufouj the pandemonium lord
358624 | Zig:21   | Killed Vuqean the pandemonium lord
358624 | Zig:21   | Killed Kydies the pandemonium lord
358624 | Zig:21   | Noticed Ekalif the pandemonium lord
358624 | Zig:21   | Killed Teixto the pandemonium lord
358625 | Zig:21   | Killed Ekalif the pandemonium lord
358626 | Zig:21   | Killed Unwiwn the pandemonium lord
358628 | Zig:21   | Noticed Gijonum the pandemonium lord
358628 | Zig:21   | Noticed Fojat the pandemonium lord
358628 | Zig:21   | Noticed Cog Hoz the pandemonium lord
358628 | Zig:21   | Noticed Haluapt the pandemonium lord
358628 | Zig:21   | Noticed Nimp the pandemonium lord
358628 | Zig:21   | Noticed Ugegee the pandemonium lord
358628 | Zig:21   | Noticed Fyenomu the pandemonium lord
358628 | Zig:21   | Noticed Zuypp the pandemonium lord
358628 | Zig:21   | Noticed Zoburph the pandemonium lord
358628 | Zig:21   | Noticed Tagaaf the pandemonium lord
358628 | Zig:21   | Noticed Pomatooh the pandemonium lord
358628 | Zig:21   | Noticed Qifoeceo the pandemonium lord
358628 | Zig:21   | Noticed Leq Mapsixe the pandemonium lord
358628 | Zig:21   | Noticed Vitegh the pandemonium lord
358628 | Zig:21   | Noticed Kusiar the pandemonium lord
358628 | Zig:21   | Noticed Jaeric the pandemonium lord
358628 | Zig:21   | Noticed Etsoabbi the pandemonium lord
358628 | Zig:21   | Noticed Neruer the pandemonium lord
358628 | Zig:21   | Noticed Imudir the pandemonium lord
358629 | Zig:21   | Noticed Qupe the pandemonium lord
358629 | Zig:21   | Noticed Ukhanot the pandemonium lord
358629 | Zig:21   | Noticed Qoklois the pandemonium lord
358629 | Zig:21   | Killed Duvepuo the pandemonium lord
358629 | Zig:21   | Killed Zamepnee the pandemonium lord
358629 | Zig:21   | Killed Xupak the pandemonium lord
358629 | Zig:21   | Killed Dumure the pandemonium lord
358629 | Zig:21   | Killed Cast the pandemonium lord
358629 | Zig:21   | Noticed Erysuown the pandemonium lord
358630 | Zig:21   | Killed Haluapt the pandemonium lord
358630 | Zig:21   | Killed Leq Mapsixe the pandemonium lord
358631 | Zig:21   | Killed Nimp the pandemonium lord
358631 | Zig:21   | Killed Fyenomu the pandemonium lord
358632 | Zig:21   | Noticed Votas the pandemonium lord
358632 | Zig:21   | Noticed Ysutzaj the pandemonium lord
358632 | Zig:21   | Noticed Tayz the pandemonium lord
358632 | Zig:21   | Noticed Azygaw the pandemonium lord
358632 | Zig:21   | Killed Baebyvum the pandemonium lord
358632 | Zig:21   | Killed Cuhet the pandemonium lord
358632 | Zig:21   | Killed Fojat the pandemonium lord
358632 | Zig:21   | Killed Gijonum the pandemonium lord
358632 | Zig:21   | Killed Perig the pandemonium lord
358632 | Zig:21   | Killed Qupe the pandemonium lord
358633 | Zig:21   | Noticed Xeso the pandemonium lord
358633 | Zig:21   | Killed Cicotif the pandemonium lord
358633 | Zig:21   | Killed Erysuown the pandemonium lord
358633 | Zig:21   | Killed Ugegee the pandemonium lord
358633 | Zig:21   | Killed Ysutzaj the pandemonium lord
358633 | Zig:21   | Killed Zoburph the pandemonium lord
358633 | Zig:21   | Noticed Vytues the pandemonium lord
358634 | Zig:21   | Noticed Tivo the pandemonium lord
358634 | Zig:21   | Noticed Lumaohok the pandemonium lord
358634 | Zig:21   | Killed Qifoeceo the pandemonium lord
358634 | Zig:21   | Killed Kut Jav the pandemonium lord
358634 | Zig:21   | Noticed Xemecl Neon the pandemonium lord
358634 | Zig:21   | Noticed Asoclaq the pandemonium lord
358635 | Zig:21   | Noticed Uskyr the pandemonium lord
358635 | Zig:21   | Killed Zuypp the pandemonium lord
358635 | Zig:21   | Killed Tayz the pandemonium lord
358635 | Zig:21   | Killed Votas the pandemonium lord
358635 | Zig:21   | Killed Azygaw the pandemonium lord
358635 | Zig:21   | Noticed Jirion the pandemonium lord
358636 | Zig:21   | Noticed Azebbukaih the pandemonium lord
358636 | Zig:21   | Killed Cog Hoz the pandemonium lord
358636 | Zig:21   | Killed Xeso the pandemonium lord
358636 | Zig:21   | Killed Kusiar the pandemonium lord
358636 | Zig:21   | Killed Imudir the pandemonium lord
358636 | Zig:21   | Noticed Xihef the pandemonium lord
358636 | Zig:21   | Noticed Kydaom the pandemonium lord
358637 | Zig:21   | Killed Vitegh the pandemonium lord
358637 | Zig:21   | Killed Ukhanot the pandemonium lord
358637 | Zig:21   | Killed Vytues the pandemonium lord
358637 | Zig:21   | Killed Jaeric the pandemonium lord
358639 | Zig:21   | Killed Tivo the pandemonium lord
358639 | Zig:21   | Killed Neruer the pandemonium lord
358639 | Zig:21   | Noticed Jeorph the pandemonium lord
358640 | Zig:21   | Noticed Leqeph the pandemonium lord
358641 | Zig:21   | Killed Pomatooh the pandemonium lord
358641 | Zig:21   | Killed Uskyr the pandemonium lord
358641 | Zig:21   | Killed Kydaom the pandemonium lord
358641 | Zig:21   | Killed Etsoabbi the pandemonium lord
358641 | Zig:21   | Killed Lumaohok the pandemonium lord
358641 | Zig:21   | Killed Qoklois the pandemonium lord
358642 | Zig:21   | Noticed Hamugugy the pandemonium lord
358642 | Zig:21   | Noticed Zujamyim the pandemonium lord
358642 | Zig:21   | Noticed Niniul the pandemonium lord
358643 | Zig:21   | Killed Jirion the pandemonium lord
358643 | Zig:21   | Killed Jeorph the pandemonium lord
358643 | Zig:21   | Killed Azebbukaih the pandemonium lord
358643 | Zig:21   | Killed Niniul the pandemonium lord
358643 | Zig:21   | Noticed Banopn the pandemonium lord
358644 | Zig:21   | Noticed Vazeu the pandemonium lord
358644 | Zig:21   | Killed Asoclaq the pandemonium lord
358644 | Zig:21   | Killed Xihef the pandemonium lord
358644 | Zig:21   | Killed Leqeph the pandemonium lord
358644 | Zig:21   | Killed Zujamyim the pandemonium lord
358644 | Zig:21   | Killed Tagaaf the pandemonium lord
358644 | Zig:21   | Noticed Osifuh the pandemonium lord
358645 | Zig:21   | Noticed Daeme the pandemonium lord
358645 | Zig:21   | Killed Xemecl Neon the pandemonium lord
358645 | Zig:21   | Noticed Ciqopsod the pandemonium lord
358646 | Zig:21   | Noticed Biyradea the pandemonium lord
358646 | Zig:21   | Noticed Hytamueh the pandemonium lord
358646 | Zig:21   | Noticed Tetugoq the pandemonium lord
358647 | Zig:21   | Noticed Donuless the pandemonium lord
358648 | Zig:21   | Noticed Waosk the pandemonium lord
358648 | Zig:21   | Killed Vazeu the pandemonium lord
358648 | Zig:21   | Noticed Diqybb the pandemonium lord
358651 | Zig:21   | Noticed Bemoen the pandemonium lord
358651 | Zig:21   | Noticed Jagg the pandemonium lord
358652 | Zig:21   | Killed Osifuh the pandemonium lord
358652 | Zig:21   | Noticed Zentea the pandemonium lord
358653 | Zig:21   | Noticed Qiarphuos the pandemonium lord
358653 | Zig:21   | Killed Hamugugy the pandemonium lord
358653 | Zig:21   | Killed Ciqopsod the pandemonium lord
358653 | Zig:21   | Killed Tetugoq the pandemonium lord
358653 | Zig:21   | Killed Daeme the pandemonium lord
358653 | Zig:21   | Noticed Nyat Hos the pandemonium lord
358653 | Zig:21   | Noticed Azaghywaps the pandemonium lord
358654 | Zig:21   | Noticed Geic the pandemonium lord
358654 | Zig:21   | Killed Donuless the pandemonium lord
358654 | Zig:21   | Killed Hytamueh the pandemonium lord
358654 | Zig:21   | Killed Biyradea the pandemonium lord
358655 | Zig:21   | Killed Qiarphuos the pandemonium lord
358655 | Zig:21   | Killed Jagg the pandemonium lord
358655 | Zig:21   | Noticed Niokhloh the pandemonium lord
358655 | Zig:21   | Noticed Jexati the pandemonium lord
358656 | Zig:21   | Killed Diqybb the pandemonium lord
358656 | Zig:21   | Noticed Ilidghyl the pandemonium lord
358656 | Zig:21   | Noticed Loxix the pandemonium lord
358656 | Zig:21   | Noticed Fadoem the pandemonium lord
358656 | Zig:21   | Noticed Leplum Tipp the pandemonium lord
358657 | Zig:21   | Noticed Hagotes the pandemonium lord
358657 | Zig:21   | Noticed Erillul the pandemonium lord
358657 | Zig:21   | Noticed Sualaler the pandemonium lord
358657 | Zig:21   | Noticed Pitzidummua the pandemonium lord
358657 | Zig:21   | Killed Bemoen the pandemonium lord
358657 | Zig:21   | Killed Azaghywaps the pandemonium lord
358657 | Zig:21   | Noticed Goesad the pandemonium lord
358658 | Zig:21   | Killed Nyat Hos the pandemonium lord
358658 | Zig:21   | Killed Zentea the pandemonium lord
358659 | Zig:21   | Noticed Noocuuts the pandemonium lord
358659 | Zig:21   | Noticed Itwadi the pandemonium lord
358659 | Zig:21   | Killed Geic the pandemonium lord
358659 | Zig:21   | Killed Ilidghyl the pandemonium lord
358659 | Zig:21   | Killed Niokhloh the pandemonium lord
358659 | Zig:21   | Killed Jexati the pandemonium lord
358659 | Zig:21   | Killed Banopn the pandemonium lord
358659 | Zig:21   | Killed Hagotes the pandemonium lord
358659 | Zig:21   | Killed Fadoem the pandemonium lord
358659 | Zig:21   | Noticed Iloibem the pandemonium lord
358659 | Zig:21   | Noticed Qeoclat the pandemonium lord
358659 | Zig:21   | Noticed Xozxun Xele the pandemonium lord
358660 | Zig:21   | Noticed Kuolorext the pandemonium lord
358660 | Zig:21   | Killed Loxix the pandemonium lord
358660 | Zig:21   | Killed Erillul the pandemonium lord
358660 | Zig:21   | Killed Pitzidummua the pandemonium lord
358660 | Zig:21   | Killed Goesad the pandemonium lord
358660 | Zig:21   | Killed Leplum Tipp the pandemonium lord
358660 | Zig:21   | Noticed Avodghea the pandemonium lord
358660 | Zig:21   | Noticed Pucob the pandemonium lord
358660 | Zig:21   | Noticed Gegask the pandemonium lord
358661 | Zig:21   | Noticed Qiniupho the pandemonium lord
358661 | Zig:21   | Noticed Aweibou the pandemonium lord
358661 | Zig:21   | Noticed Rihuesysu the pandemonium lord
358661 | Zig:21   | Noticed Zecsast the pandemonium lord
358661 | Zig:21   | Noticed Zevinnan the pandemonium lord
358661 | Zig:21   | Noticed Otweh the pandemonium lord
358661 | Zig:21   | Noticed Awoguef the pandemonium lord
358662 | Zig:21   | Noticed Egeupuv the pandemonium lord
358662 | Zig:21   | Noticed Obros the pandemonium lord
358663 | Zig:21   | Noticed Jasiemoy the pandemonium lord
358663 | Zig:21   | Killed Kuolorext the pandemonium lord
358663 | Zig:21   | Killed Waosk the pandemonium lord
358663 | Zig:21   | Killed Qeoclat the pandemonium lord
358663 | Zig:21   | Noticed Xanub the pandemonium lord
358663 | Zig:21   | Noticed Iqayha the pandemonium lord
358664 | Zig:21   | Killed Iloibem the pandemonium lord
358664 | Zig:21   | Killed Xozxun Xele the pandemonium lord
358664 | Zig:21   | Killed Sualaler the pandemonium lord
358664 | Zig:21   | Killed Itwadi the pandemonium lord
358664 | Zig:21   | Killed Avodghea the pandemonium lord
358664 | Zig:21   | Killed Jasiemoy the pandemonium lord
358664 | Zig:21   | Killed Noocuuts the pandemonium lord
358664 | Zig:21   | Noticed Oxzualem the pandemonium lord
358666 | Zig:21   | Noticed Jaakhi Urphe the pandemonium lord
358667 | Zig:21   | Killed Obros the pandemonium lord
358667 | Zig:21   | Killed Qiniupho the pandemonium lord
358667 | Zig:21   | Killed Gegask the pandemonium lord
358667 | Zig:21   | Noticed Saeziecw the pandemonium lord
358668 | Zig:21   | Killed Otweh the pandemonium lord
358668 | Zig:21   | Killed Awoguef the pandemonium lord
358668 | Zig:21   | Killed Pucob the pandemonium lord
358668 | Zig:21   | Killed Zevinnan the pandemonium lord
358669 | Zig:21   | Killed Aweibou the pandemonium lord
358669 | Zig:21   | Killed Oxzualem the pandemonium lord
358669 | Zig:21   | Killed Rihuesysu the pandemonium lord
358670 | Zig:21   | Noticed Ruci the pandemonium lord
358672 | Zig:21   | Killed Egeupuv the pandemonium lord
358673 | Zig:21   | Noticed Idwopp the pandemonium lord
358674 | Zig:21   | Noticed Kigat the pandemonium lord
358674 | Zig:21   | Noticed Ygyefej the pandemonium lord
358675 | Zig:21   | Noticed Waih the pandemonium lord
358676 | Zig:21   | Noticed Kuxoocs the pandemonium lord
358677 | Zig:21   | Killed Saeziecw the pandemonium lord
358677 | Zig:21   | Killed Zecsast the pandemonium lord
358677 | Zig:21   | Killed Jaakhi Urphe the pandemonium lord
358677 | Zig:21   | Noticed Cyonkeg the pandemonium lord
358678 | Zig:21   | Killed Waih the pandemonium lord
358678 | Zig:21   | Killed Idwopp the pandemonium lord
358678 | Zig:21   | Noticed Haapivom the pandemonium lord
358679 | Zig:21   | Killed Iqayha the pandemonium lord
358679 | Zig:21   | Killed Ygyefej the pandemonium lord
358679 | Zig:21   | Killed Kigat the pandemonium lord
358680 | Zig:21   | Noticed Urhitaxu the pandemonium lord
358680 | Zig:21   | Killed Ruci the pandemonium lord
358680 | Zig:21   | Noticed Esugyi the pandemonium lord
358680 | Zig:21   | Noticed Kuryaxuo the pandemonium lord
358682 | Zig:21   | Killed Haapivom the pandemonium lord
358682 | Zig:21   | Killed Urhitaxu the pandemonium lord
358682 | Zig:21   | Noticed Iheewn the pandemonium lord
358682 | Zig:21   | Noticed Pisez the pandemonium lord
358683 | Zig:21   | Noticed Gosyagih the pandemonium lord
358683 | Zig:21   | Noticed Kaax the pandemonium lord
358683 | Zig:21   | Noticed Medamank the pandemonium lord
358683 | Zig:21   | Noticed Xinoen the pandemonium lord
358683 | Zig:21   | Noticed Diakaemp the pandemonium lord
358683 | Zig:21   | Noticed Xoovy the pandemonium lord
358684 | Zig:21   | Noticed Lolovvan the pandemonium lord
358685 | Zig:21   | Noticed Fonwuti the pandemonium lord
358685 | Zig:21   | Killed Xanub the pandemonium lord
358685 | Zig:21   | Killed Kuryaxuo the pandemonium lord
358685 | Zig:21   | Killed Esugyi the pandemonium lord
358685 | Zig:21   | Killed Xoovy the pandemonium lord
358685 | Zig:21   | Killed Kuxoocs the pandemonium lord
358686 | Zig:21   | Noticed Omimicip the pandemonium lord
358687 | Zig:21   | Noticed Kadiwkue the pandemonium lord
358687 | Zig:21   | Noticed Hofowumi the pandemonium lord
358687 | Zig:21   | Noticed Jevebloy the pandemonium lord
358687 | Zig:21   | Noticed Itomux the pandemonium lord
358689 | Zig:21   | Noticed Bozxunaa the pandemonium lord
358689 | Zig:21   | Noticed Joppann the pandemonium lord
358690 | Zig:21   | Noticed Bygoanoa the pandemonium lord
358690 | Zig:21   | Killed Pisez the pandemonium lord
358691 | Zig:21   | Noticed Udyimatt the pandemonium lord
358694 | Zig:21   | Noticed Inueh the pandemonium lord
358695 | Zig:21   | Noticed Fonyin the pandemonium lord
358698 | Zig:21   | Killed Kadiwkue the pandemonium lord
358699 | Zig:21   | Killed Xinoen the pandemonium lord
358699 | Zig:21   | Killed Bygoanoa the pandemonium lord
358699 | Zig:21   | Killed Udyimatt the pandemonium lord
358699 | Zig:21   | Killed Omimicip the pandemonium lord
358699 | Zig:21   | Killed Diakaemp the pandemonium lord
358699 | Zig:21   | Killed Bozxunaa the pandemonium lord
358699 | Zig:21   | Killed Kaax the pandemonium lord
358699 | Zig:21   | Killed Medamank the pandemonium lord
358699 | Zig:21   | Killed Inueh the pandemonium lord
358699 | Zig:21   | Killed Cyonkeg the pandemonium lord
358700 | Zig:21   | Killed Itomux the pandemonium lord
358700 | Zig:21   | Killed Gosyagih the pandemonium lord
358700 | Zig:21   | Killed Lolovvan the pandemonium lord
358700 | Zig:21   | Killed Jevebloy the pandemonium lord
358700 | Zig:21   | Noticed Guoc the pandemonium lord
358700 | Zig:21   | Noticed Xukleat the pandemonium lord
358700 | Zig:21   | Killed Fonyin the pandemonium lord
358701 | Zig:21   | Noticed Usao the pandemonium lord
358701 | Zig:21   | Noticed Wesefoss the pandemonium lord
358702 | Zig:21   | Noticed Unuuwne the pandemonium lord
358702 | Zig:21   | Noticed Nuexoona the pandemonium lord
358703 | Zig:21   | Noticed Cuihirud the pandemonium lord
358705 | Zig:21   | Killed Fonwuti the pandemonium lord
358705 | Zig:21   | Killed Joppann the pandemonium lord
358705 | Zig:21   | Noticed Huchasel the pandemonium lord
358707 | Zig:21   | Killed Iheewn the pandemonium lord
358707 | Zig:21   | Noticed Ebram the pandemonium lord
358707 | Zig:21   | Noticed Gothrar the pandemonium lord
358707 | Zig:21   | Noticed Uxkuan the pandemonium lord
358707 | Zig:21   | Noticed Xoavinn the pandemonium lord
358708 | Zig:21   | Noticed Efazxafo the pandemonium lord
358708 | Zig:21   | Noticed Zuegor the pandemonium lord
358709 | Zig:21   | Noticed Dedo the pandemonium lord
358710 | Zig:21   | Noticed Beluogg the pandemonium lord
358710 | Zig:21   | Noticed Hamopsya the pandemonium lord
358712 | Zig:21   | Noticed Daco the pandemonium lord
358712 | Zig:21   | Noticed Antuloos the pandemonium lord
358712 | Zig:21   | Noticed Eghankif the pandemonium lord
358713 | Zig:21   | Noticed Cidoenah the pandemonium lord
358713 | Zig:21   | Noticed Ziugh the pandemonium lord
358714 | Zig:21   | Killed Guoc the pandemonium lord
358714 | Zig:21   | Killed Hofowumi the pandemonium lord
358714 | Zig:21   | Noticed Miafair the pandemonium lord
358715 | Zig:21   | Killed Usao the pandemonium lord
358715 | Zig:21   | Killed Beluogg the pandemonium lord
358715 | Zig:21   | Killed Nuexoona the pandemonium lord
358715 | Zig:21   | Killed Efazxafo the pandemonium lord
358715 | Zig:21   | Noticed Netere the pandemonium lord
358716 | Zig:21   | Killed Gothrar the pandemonium lord
358716 | Zig:21   | Killed Huchasel the pandemonium lord
358716 | Zig:21   | Killed Xukleat the pandemonium lord
358716 | Zig:21   | Killed Xoavinn the pandemonium lord
358716 | Zig:21   | Killed Dedo the pandemonium lord
358716 | Zig:21   | Killed Antuloos the pandemonium lord
358716 | Zig:21   | Killed Unuuwne the pandemonium lord
358716 | Zig:21   | Killed Hamopsya the pandemonium lord
358716 | Zig:21   | Killed Daco the pandemonium lord
358716 | Zig:21   | Killed Ziugh the pandemonium lord
358716 | Zig:21   | Killed Eghankif the pandemonium lord
358716 | Zig:21   | Noticed Lusomedd the pandemonium lord
358716 | Zig:21   | Noticed Tyexoczu the pandemonium lord
358716 | Zig:21   | Noticed Molug the pandemonium lord
358717 | Zig:21   | Killed Wesefoss the pandemonium lord
358717 | Zig:21   | Killed Cidoenah the pandemonium lord
358717 | Zig:21   | Killed Zuegor the pandemonium lord
358717 | Zig:21   | Killed Uxkuan the pandemonium lord
358717 | Zig:21   | Noticed Hoigrioq the pandemonium lord
358717 | Zig:21   | Noticed Jyun the pandemonium lord
358717 | Zig:21   | Noticed Citytt the pandemonium lord
358718 | Zig:21   | Killed Lusomedd the pandemonium lord
358718 | Zig:21   | Killed Tyexoczu the pandemonium lord
358718 | Zig:21   | Killed Cuihirud the pandemonium lord
358718 | Zig:21   | Killed Miafair the pandemonium lord
358718 | Zig:21   | Noticed Leghoaro the pandemonium lord
358718 | Zig:21   | Noticed Xugay the pandemonium lord
358718 | Zig:21   | Noticed Erchit the pandemonium lord
358719 | Zig:21   | Killed Molug the pandemonium lord
358719 | Zig:21   | Noticed Gymepog the pandemonium lord
358719 | Zig:21   | Noticed Xoiskor the pandemonium lord
358720 | Zig:21   | Killed Ebram the pandemonium lord
358720 | Zig:21   | Noticed Ponuojar the pandemonium lord
358722 | Zig:21   | Killed Hoigrioq the pandemonium lord
358723 | Zig:21   | Killed Jyun the pandemonium lord
358723 | Zig:21   | Killed Citytt the pandemonium lord
358723 | Zig:21   | Killed Leghoaro the pandemonium lord
358723 | Zig:21   | Killed Xoiskor the pandemonium lord
358723 | Zig:21   | Killed Erchit the pandemonium lord
358723 | Zig:21   | Noticed Nagrar the pandemonium lord
358723 | Zig:21   | Noticed Pahuaqal the pandemonium lord
358723 | Zig:21   | Noticed Xesas the pandemonium lord
358723 | Zig:21   | Noticed Seqih the pandemonium lord
358724 | Zig:21   | Noticed Jonel the pandemonium lord
358725 | Zig:21   | Noticed Liskoyru the pandemonium lord
358726 | Zig:21   | Killed Netere the pandemonium lord
358726 | Zig:21   | Killed Xugay the pandemonium lord
358726 | Zig:21   | Killed Gymepog the pandemonium lord
358728 | Zig:21   | Noticed Kefeve the pandemonium lord
358729 | Zig:21   | Killed Xesas the pandemonium lord
358730 | Zig:21   | Noticed Afrek the pandemonium lord
358730 | Zig:21   | Killed Pahuaqal the pandemonium lord
358730 | Zig:21   | Killed Jonel the pandemonium lord
358730 | Zig:21   | Killed Ponuojar the pandemonium lord
358730 | Zig:21   | Killed Liskoyru the pandemonium lord
358731 | Zig:21   | Noticed Jadoczuzom the pandemonium lord
358731 | Zig:21   | Noticed Esuadosm the pandemonium lord
358732 | Zig:21   | Killed Nagrar the pandemonium lord
358732 | Zig:21   | Killed Afrek the pandemonium lord
358732 | Zig:21   | Killed Kefeve the pandemonium lord
358732 | Zig:21   | Killed Seqih the pandemonium lord
358732 | Zig:21   | Noticed Ypuoti Iwko the pandemonium lord
358732 | Zig:21   | Noticed Ecwup the pandemonium lord
358735 | Zig:21   | Noticed Vapoiny the pandemonium lord
358735 | Zig:21   | Killed Jadoczuzom the pandemonium lord
358736 | Zig:21   | Noticed Cusairis the pandemonium lord
358736 | Zig:21   | Killed Esuadosm the pandemonium lord
358737 | Zig:21   | Killed Ecwup the pandemonium lord
358741 | Zig:21   | Killed Cusairis the pandemonium lord
358741 | Zig:21   | Killed Vapoiny the pandemonium lord
358741 | Zig:21   | Noticed Casucka the pandemonium lord
358742 | Zig:21   | Killed Ypuoti Iwko the pandemonium lord
358742 | Zig:21   | Noticed Kehud the pandemonium lord
358743 | Zig:21   | Noticed Ebliv the pandemonium lord
358743 | Zig:21   | Noticed Kyopn the pandemonium lord
358744 | Zig:21   | Noticed Oddepiro the pandemonium lord
358745 | Zig:21   | Killed Kehud the pandemonium lord
358745 | Zig:21   | Killed Casucka the pandemonium lord
358745 | Zig:21   | Killed Kyopn the pandemonium lord
358746 | Zig:21   | Noticed Qeabrieh the pandemonium lord
358746 | Zig:21   | Noticed Xocat the pandemonium lord
358747 | Zig:21   | Killed Ebliv the pandemonium lord
358748 | Zig:21   | Noticed Iffean the pandemonium lord
358749 | Zig:21   | Killed Qeabrieh the pandemonium lord
358749 | Zig:21   | Killed Xocat the pandemonium lord
358749 | Zig:21   | Killed Oddepiro the pandemonium lord
358753 | Zig:21   | Killed Iffean the pandemonium lord
359329 | Zig:21   | Identified the +4 flail of Porubacaej {flame, *Noise rCorr
                  | Dex+4 SInv}
359335 | Zig:21   | Identified the +3 troll leather armour of Uskayaw's Whim
                  | {Fly Regen+}
359336 | Zig:21   | Identified the staff of fire "Yciwucw" {+Blink rF+ MP+9
                  | Dex+2}
359348 | Zig:21   | Identified the ring "Zotesonn" {Str+5 SInv}
359349 | Zig:21   | Identified the ring of Starshine {Ice Drain Int+2 Slay+3}
359353 | Zig:21   | Identified the +6 arbalest "Leviticus" {elec, rF+ rCorr
                  | Stlth-}
359385 | Zig:22   | Entered Level 22 of a ziggurat
359385 | Zig:22   | Noticed a dread lich
359385 | Zig:22   | Noticed an ancient lich
359385 | Zig:22   | Noticed a dread lich
359385 | Zig:22   | Noticed an ancient lich
359385 | Zig:22   | Noticed a dread lich
359385 | Zig:22   | Noticed an ancient lich
359385 | Zig:22   | Noticed an ancient lich
359385 | Zig:22   | Noticed an ancient lich
359385 | Zig:22   | Noticed a dread lich
359385 | Zig:22   | Noticed a dread lich
359385 | Zig:22   | Noticed a dread lich
359385 | Zig:22   | Noticed a dread lich
359385 | Zig:22   | Noticed a dread lich
359386 | Zig:22   | Killed a dread lich
359386 | Zig:22   | Killed an ancient lich
359386 | Zig:22   | Killed an ancient lich
359386 | Zig:22   | Killed a dread lich
359386 | Zig:22   | Killed a dread lich
359386 | Zig:22   | Killed an ancient lich
359386 | Zig:22   | Killed a dread lich
359387 | Zig:22   | Killed an ancient lich
359387 | Zig:22   | Killed a dread lich
359387 | Zig:22   | Killed a dread lich
359387 | Zig:22   | Killed an ancient lich
359387 | Zig:22   | Killed a dread lich
359387 | Zig:22   | Noticed an ancient lich
359388 | Zig:22   | Noticed an ancient lich
359389 | Zig:22   | Noticed an ancient lich
359389 | Zig:22   | Noticed a dread lich
359390 | Zig:22   | Noticed a dread lich
359390 | Zig:22   | Killed a dread lich
359390 | Zig:22   | Noticed an ancient lich
359391 | Zig:22   | Noticed a dread lich
359391 | Zig:22   | Noticed an ancient lich
359391 | Zig:22   | Noticed an ancient lich
359392 | Zig:22   | Noticed a dread lich
359392 | Zig:22   | Noticed an ancient lich
359393 | Zig:22   | Killed an ancient lich
359393 | Zig:22   | Killed an ancient lich
359393 | Zig:22   | Killed a dread lich
359393 | Zig:22   | Killed an ancient lich
359393 | Zig:22   | Killed a dread lich
359393 | Zig:22   | Noticed an ancient lich
359394 | Zig:22   | Killed an ancient lich
359394 | Zig:22   | Killed an ancient lich
359394 | Zig:22   | Killed a dread lich
359394 | Zig:22   | Killed an ancient lich
359394 | Zig:22   | Killed a dread lich
359394 | Zig:22   | Killed an ancient lich
359394 | Zig:22   | Noticed an ancient lich
359395 | Zig:22   | Noticed a dread lich
359395 | Zig:22   | Killed an ancient lich
359396 | Zig:22   | Noticed an ancient lich
359396 | Zig:22   | Noticed a dread lich
359396 | Zig:22   | Noticed an ancient lich
359397 | Zig:22   | Killed a dread lich
359398 | Zig:22   | Killed an ancient lich
359398 | Zig:22   | Killed an ancient lich
359398 | Zig:22   | Killed a dread lich
359398 | Zig:22   | Noticed a dread lich
359398 | Zig:22   | Noticed a dread lich
359399 | Zig:22   | Noticed a dread lich
359399 | Zig:22   | Noticed a dread lich
359401 | Zig:22   | Noticed a dread lich
359401 | Zig:22   | Killed an ancient lich
359401 | Zig:22   | Killed a dread lich
359402 | Zig:22   | Noticed a dread lich
359402 | Zig:22   | Noticed a dread lich
359402 | Zig:22   | Noticed a dread lich
359402 | Zig:22   | Noticed a dread lich
359403 | Zig:22   | Noticed a dread lich
359404 | Zig:22   | Noticed an ancient lich
359404 | Zig:22   | Noticed a dread lich
359404 | Zig:22   | Noticed a dread lich
359404 | Zig:22   | Noticed an ancient lich
359406 | Zig:22   | Noticed a dread lich
359406 | Zig:22   | Killed a dread lich
359406 | Zig:22   | Killed a dread lich
359406 | Zig:22   | Killed a dread lich
359406 | Zig:22   | Killed a dread lich
359406 | Zig:22   | Killed a dread lich
359406 | Zig:22   | Killed a dread lich
359406 | Zig:22   | Noticed an ancient lich
359407 | Zig:22   | Noticed a dread lich
359407 | Zig:22   | Killed a dread lich
359407 | Zig:22   | Killed a dread lich
359407 | Zig:22   | Killed an ancient lich
359407 | Zig:22   | Killed a dread lich
359407 | Zig:22   | Killed a dread lich
359407 | Zig:22   | Killed a dread lich
359407 | Zig:22   | Killed a dread lich
359407 | Zig:22   | Killed an ancient lich
359407 | Zig:22   | Killed a dread lich
359407 | Zig:22   | Noticed a dread lich
359407 | Zig:22   | Noticed a dread lich
359407 | Zig:22   | Noticed a dread lich
359407 | Zig:22   | Noticed an ancient lich
359407 | Zig:22   | Noticed a dread lich
359409 | Zig:22   | Noticed an ancient lich
359409 | Zig:22   | Noticed a dread lich
359409 | Zig:22   | Noticed an ancient lich
359409 | Zig:22   | Noticed a dread lich
359409 | Zig:22   | Noticed an ancient lich
359409 | Zig:22   | Noticed an ancient lich
359409 | Zig:22   | Noticed a dread lich
359410 | Zig:22   | Noticed an ancient lich
359410 | Zig:22   | Noticed a dread lich
359410 | Zig:22   | Noticed a dread lich
359410 | Zig:22   | Noticed a dread lich
359410 | Zig:22   | Noticed a dread lich
359410 | Zig:22   | Noticed an ancient lich
359411 | Zig:22   | Noticed an ancient lich
359411 | Zig:22   | Noticed an ancient lich
359412 | Zig:22   | Noticed an ancient lich
359412 | Zig:22   | Noticed an ancient lich
359413 | Zig:22   | Noticed a dread lich
359413 | Zig:22   | Noticed a dread lich
359413 | Zig:22   | Noticed a dread lich
359413 | Zig:22   | Killed a dread lich
359414 | Zig:22   | Killed an ancient lich
359414 | Zig:22   | Killed a dread lich
359414 | Zig:22   | Killed a dread lich
359414 | Zig:22   | Killed a dread lich
359414 | Zig:22   | Killed a dread lich
359414 | Zig:22   | Killed an ancient lich
359414 | Zig:22   | Killed an ancient lich
359414 | Zig:22   | Killed a dread lich
359414 | Zig:22   | Killed a dread lich
359414 | Zig:22   | Killed a dread lich
359414 | Zig:22   | Killed an ancient lich
359414 | Zig:22   | Killed an ancient lich
359414 | Zig:22   | Killed an ancient lich
359414 | Zig:22   | Killed an ancient lich
359414 | Zig:22   | Killed a dread lich
359414 | Zig:22   | Killed a dread lich
359414 | Zig:22   | Killed an ancient lich
359414 | Zig:22   | Killed a dread lich
359414 | Zig:22   | Killed an ancient lich
359414 | Zig:22   | Killed an ancient lich
359414 | Zig:22   | Killed a dread lich
359415 | Zig:22   | Killed a dread lich
359415 | Zig:22   | Killed an ancient lich
359415 | Zig:22   | Killed a dread lich
359416 | Zig:22   | Killed an ancient lich
359417 | Zig:22   | Noticed a dread lich
359417 | Zig:22   | Noticed a dread lich
359417 | Zig:22   | Noticed a dread lich
359417 | Zig:22   | Noticed a dread lich
359417 | Zig:22   | Noticed a dread lich
359418 | Zig:22   | Noticed an ancient lich
359418 | Zig:22   | Noticed a dread lich
359418 | Zig:22   | Noticed an ancient lich
359418 | Zig:22   | Noticed a dread lich
359418 | Zig:22   | Noticed an ancient lich
359419 | Zig:22   | Noticed a dread lich
359420 | Zig:22   | Killed a dread lich
359420 | Zig:22   | Killed a dread lich
359420 | Zig:22   | Killed a dread lich
359420 | Zig:22   | Killed a dread lich
359421 | Zig:22   | Killed a dread lich
359421 | Zig:22   | Killed a dread lich
359421 | Zig:22   | Killed an ancient lich
359421 | Zig:22   | Killed a dread lich
359421 | Zig:22   | Killed an ancient lich
359421 | Zig:22   | Killed a dread lich
359421 | Zig:22   | Killed an ancient lich
359422 | Zig:22   | Noticed a dread lich
359423 | Zig:22   | Noticed an ancient lich
359424 | Zig:22   | Noticed a dread lich
359424 | Zig:22   | Noticed an ancient lich
359425 | Zig:22   | Noticed an ancient lich
359425 | Zig:22   | Noticed an ancient lich
359427 | Zig:22   | Killed a dread lich
359427 | Zig:22   | Killed a dread lich
359427 | Zig:22   | Killed an ancient lich
359427 | Zig:22   | Killed an ancient lich
359427 | Zig:22   | Killed an ancient lich
359429 | Zig:22   | Killed an ancient lich
359432 | Zig:22   | Noticed an ancient lich
359435 | Zig:22   | Killed an ancient lich
359439 | Zig:22   | Identified the +3 triple crossbow of Virr {heavy, rN+ Dex+2
                  | SInv}
359493 | Zig:22   | Acquired 886 gold pieces
359495 | Zig:22   | Acquired 577 gold pieces
359497 | Zig:22   | Acquired 978 gold pieces
360271 | Zig:22   | Identified the amulet of Ighuru {Spirit Int+6}
360275 | Zig:22   | Identified the +2 spear of Plog {protect, rN+}
360293 | Zig:22   | Identified the staff of fire "Duggonap" {*Corrode Fly rF+
                  | Int+2 Dex+5}
360304 | Zig:22   | Identified the +1 ring mail "Mucic Pef" {*Slow rElec Int+10
                  | Dex-2}
360305 | Zig:22   | Identified the +2 helmet of Veyqino {rF+}
360328 | Zig:22   | Identified the +9 quarterstaff "Beastbane" {freeze, rC+
                  | Str-5 Dex+3 SInv}
360393 | Zig:22   | Identified the +1 quick blade of the Pariah {freeze, rF+}
360399 | Zig:22   | Identified the +12 arbalest of Fikash {penet, rC+}
360403 | Zig:22   | Identified the +3 chain mail "Qalat" {rCorr Slay+2}
360406 | Zig:22   | Identified the +0 ring mail "Fidoabb" {rElec rF- rN++
                  | rCorr}
360413 | Zig:22   | Identified the +9 short sword of Tuodo {freeze, Int+3
                  | Dex+4}
360415 | Zig:22   | Identified the amulet of Resumed Hostilities {rElec Regen+
                  | SInv Stlth+}
360423 | Zig:22   | Identified the ring of Haqureus {Str-2 Int+7 SInv}
360425 | Zig:22   | Identified the +0 plate armour of Baldness {rC- Int+5}
360439 | Zig:22   | Identified the +2 great mace of Disorder {antimagic, rC-
                  | Will+++ Int+5 Stlth+}
360448 | Zig:22   | Identified the +7 chain mail of Poor Excuses {Str+3}
360449 | Zig:22   | Identified the +1 hand axe of Supply {heavy, Int+3}
360473 | Zig:23   | Entered Level 23 of a ziggurat
360473 | Zig:23   | Noticed Ino Meneggea the pandemonium lord
360473 | Zig:23   | Noticed Obram the pandemonium lord
360473 | Zig:23   | Noticed Sanunk the pandemonium lord
360473 | Zig:23   | Noticed Dophaxt the pandemonium lord
360473 | Zig:23   | Noticed Ariopn the pandemonium lord
360473 | Zig:23   | Noticed Vytosk the pandemonium lord
360473 | Zig:23   | Noticed Ridwuj the pandemonium lord
360473 | Zig:23   | Noticed Zingi the pandemonium lord
360473 | Zig:23   | Noticed Zetwergh the pandemonium lord
360473 | Zig:23   | Noticed Ymothresm the pandemonium lord
360473 | Zig:23   | Noticed Sosoy the pandemonium lord
360473 | Zig:23   | Noticed Kuesaruv the pandemonium lord
360473 | Zig:23   | Noticed Qiut the pandemonium lord
360473 | Zig:23   | Noticed Ycwoenim the pandemonium lord
360473 | Zig:23   | Noticed Mywk the pandemonium lord
360473 | Zig:23   | Noticed Inetyhun the pandemonium lord
360473 | Zig:23   | Noticed Ydghexe the pandemonium lord
360473 | Zig:23   | Noticed Nidicer the pandemonium lord
360473 | Zig:23   | Noticed Hiaclon the pandemonium lord
360473 | Zig:23   | Noticed Guad Jekk the pandemonium lord
360473 | Zig:23   | Noticed Akaisac the pandemonium lord
360473 | Zig:23   | Noticed Uzoq the pandemonium lord
360473 | Zig:23   | Noticed Ceofucic the pandemonium lord
360473 | Zig:23   | Noticed Onar the pandemonium lord
360473 | Zig:23   | Noticed Egil the pandemonium lord
360473 | Zig:23   | Noticed Vewk the pandemonium lord
360473 | Zig:23   | Noticed Mipiys the pandemonium lord
360473 | Zig:23   | Noticed Rafo the pandemonium lord
360473 | Zig:23   | Noticed Ycrekhys the pandemonium lord
360473 | Zig:23   | Noticed Zurghoif the pandemonium lord
360473 | Zig:23   | Noticed Ypsirch the pandemonium lord
360474 | Zig:23   | Killed Mywk the pandemonium lord
360474 | Zig:23   | Killed Ymothresm the pandemonium lord
360474 | Zig:23   | Killed Ydghexe the pandemonium lord
360474 | Zig:23   | Killed Vewk the pandemonium lord
360474 | Zig:23   | Killed Akaisac the pandemonium lord
360474 | Zig:23   | Killed Ypsirch the pandemonium lord
360474 | Zig:23   | Noticed Uciec the pandemonium lord
360475 | Zig:23   | Noticed Eket the pandemonium lord
360475 | Zig:23   | Noticed Tiavyett the pandemonium lord
360475 | Zig:23   | Noticed Sisibb the pandemonium lord
360476 | Zig:23   | Killed Uzoq the pandemonium lord
360476 | Zig:23   | Killed Guad Jekk the pandemonium lord
360476 | Zig:23   | Killed Sanunk the pandemonium lord
360476 | Zig:23   | Killed Ino Meneggea the pandemonium lord
360476 | Zig:23   | Killed Onar the pandemonium lord
360476 | Zig:23   | Noticed Seodigar the pandemonium lord
360476 | Zig:23   | Noticed Gaonuir the pandemonium lord
360477 | Zig:23   | Killed Egil the pandemonium lord
360477 | Zig:23   | Killed Qiut the pandemonium lord
360477 | Zig:23   | Killed Dophaxt the pandemonium lord
360477 | Zig:23   | Killed Tiavyett the pandemonium lord
360478 | Zig:23   | Killed Mipiys the pandemonium lord
360478 | Zig:23   | Killed Vytosk the pandemonium lord
360478 | Zig:23   | Killed Zingi the pandemonium lord
360478 | Zig:23   | Killed Sisibb the pandemonium lord
360478 | Zig:23   | Killed Uciec the pandemonium lord
360478 | Zig:23   | Killed Obram the pandemonium lord
360478 | Zig:23   | Killed Zetwergh the pandemonium lord
360478 | Zig:23   | Killed Ariopn the pandemonium lord
360478 | Zig:23   | Killed Eket the pandemonium lord
360478 | Zig:23   | Killed Kuesaruv the pandemonium lord
360478 | Zig:23   | Noticed Ypsibep the pandemonium lord
360478 | Zig:23   | Noticed Voidut the pandemonium lord
360478 | Zig:23   | Noticed Voghenext the pandemonium lord
360479 | Zig:23   | Noticed Kulesoveu the pandemonium lord
360479 | Zig:23   | Noticed Ymaiveg the pandemonium lord
360479 | Zig:23   | Noticed Xycied the pandemonium lord
360479 | Zig:23   | Killed Ycwoenim the pandemonium lord
360479 | Zig:23   | Killed Rafo the pandemonium lord
360479 | Zig:23   | Killed Zurghoif the pandemonium lord
360479 | Zig:23   | Killed Hiaclon the pandemonium lord
360479 | Zig:23   | Noticed Baufej the pandemonium lord
360480 | Zig:23   | Noticed Utomom the pandemonium lord
360480 | Zig:23   | Killed Inetyhun the pandemonium lord
360480 | Zig:23   | Killed Ycrekhys the pandemonium lord
360480 | Zig:23   | Killed Sosoy the pandemonium lord
360480 | Zig:23   | Killed Nidicer the pandemonium lord
360480 | Zig:23   | Killed Ridwuj the pandemonium lord
360480 | Zig:23   | Killed Seodigar the pandemonium lord
360481 | Zig:23   | Noticed Cenwoav the pandemonium lord
360481 | Zig:23   | Killed Ceofucic the pandemonium lord
360481 | Zig:23   | Noticed Jeomp the pandemonium lord
360481 | Zig:23   | Noticed Nyburul the pandemonium lord
360481 | Zig:23   | Noticed Qumn the pandemonium lord
360481 | Zig:23   | Killed Voghenext the pandemonium lord
360482 | Zig:23   | Killed Voidut the pandemonium lord
360482 | Zig:23   | Noticed Guijux the pandemonium lord
360482 | Zig:23   | Noticed Zischubay the pandemonium lord
360483 | Zig:23   | Killed Nyburul the pandemonium lord
360483 | Zig:23   | Killed Ypsibep the pandemonium lord
360483 | Zig:23   | Killed Ymaiveg the pandemonium lord
360483 | Zig:23   | Noticed Pefaddu the pandemonium lord
360484 | Zig:23   | Noticed Cuthrec the pandemonium lord
360484 | Zig:23   | Noticed Hueheo the pandemonium lord
360484 | Zig:23   | Noticed Baxalunu the pandemonium lord
360485 | Zig:23   | Noticed Bozxe the pandemonium lord
360485 | Zig:23   | Killed Kulesoveu the pandemonium lord
360485 | Zig:23   | Noticed Kyekh the pandemonium lord
360486 | Zig:23   | Killed Gaonuir the pandemonium lord
360486 | Zig:23   | Killed Baufej the pandemonium lord
360486 | Zig:23   | Noticed Celiann the pandemonium lord
360486 | Zig:23   | Noticed Iluss the pandemonium lord
360487 | Zig:23   | Killed Zischubay the pandemonium lord
360487 | Zig:23   | Killed Bozxe the pandemonium lord
360487 | Zig:23   | Killed Kyekh the pandemonium lord
360487 | Zig:23   | Killed Cenwoav the pandemonium lord
360487 | Zig:23   | Killed Xycied the pandemonium lord
360487 | Zig:23   | Noticed Mynojo the pandemonium lord
360487 | Zig:23   | Noticed Empudil the pandemonium lord
360487 | Zig:23   | Noticed Teunipt the pandemonium lord
360488 | Zig:23   | Noticed Qoicliog the pandemonium lord
360488 | Zig:23   | Killed Jeomp the pandemonium lord
360488 | Zig:23   | Killed Pefaddu the pandemonium lord
360488 | Zig:23   | Killed Qumn the pandemonium lord
360488 | Zig:23   | Killed Baxalunu the pandemonium lord
360488 | Zig:23   | Killed Guijux the pandemonium lord
360488 | Zig:23   | Noticed Osed Bae the pandemonium lord
360489 | Zig:23   | Killed Cuthrec the pandemonium lord
360489 | Zig:23   | Killed Utomom the pandemonium lord
360489 | Zig:23   | Killed Iluss the pandemonium lord
360489 | Zig:23   | Noticed Nifesoru the pandemonium lord
360489 | Zig:23   | Noticed Viohus the pandemonium lord
360489 | Zig:23   | Noticed Dyus the pandemonium lord
360490 | Zig:23   | Killed Mynojo the pandemonium lord
360490 | Zig:23   | Killed Celiann the pandemonium lord
360490 | Zig:23   | Noticed Rytipn the pandemonium lord
360491 | Zig:23   | Noticed Xacsowac the pandemonium lord
360492 | Zig:23   | Noticed Waclof Goffu the pandemonium lord
360492 | Zig:23   | Noticed Eziasisa the pandemonium lord
360493 | Zig:23   | Killed Nifesoru the pandemonium lord
360493 | Zig:23   | Killed Waclof Goffu the pandemonium lord
360493 | Zig:23   | Killed Hueheo the pandemonium lord
360493 | Zig:23   | Noticed Catzonlu the pandemonium lord
360493 | Zig:23   | Noticed Sogun the pandemonium lord
360494 | Zig:23   | Killed Teunipt the pandemonium lord
360494 | Zig:23   | Killed Qoicliog the pandemonium lord
360494 | Zig:23   | Killed Dyus the pandemonium lord
360494 | Zig:23   | Killed Empudil the pandemonium lord
360494 | Zig:23   | Killed Xacsowac the pandemonium lord
360494 | Zig:23   | Killed Osed Bae the pandemonium lord
360494 | Zig:23   | Noticed Tuak the pandemonium lord
360494 | Zig:23   | Noticed Mirom the pandemonium lord
360494 | Zig:23   | Noticed Besejowk the pandemonium lord
360494 | Zig:23   | Noticed Houliuh the pandemonium lord
360495 | Zig:23   | Killed Viohus the pandemonium lord
360495 | Zig:23   | Noticed Gughauny the pandemonium lord
360495 | Zig:23   | Noticed Jautromi the pandemonium lord
360496 | Zig:23   | Noticed Sair the pandemonium lord
360496 | Zig:23   | Noticed Isaem the pandemonium lord
360496 | Zig:23   | Noticed Bemnen the pandemonium lord
360496 | Zig:23   | Noticed Poofaxeal the pandemonium lord
360496 | Zig:23   | Killed Mirom the pandemonium lord
360496 | Zig:23   | Noticed Docuxzou the pandemonium lord
360496 | Zig:23   | Noticed Mamidghapp the pandemonium lord
360496 | Zig:23   | Noticed Idatalu the pandemonium lord
360496 | Zig:23   | Noticed Maetaoz the pandemonium lord
360497 | Zig:23   | Noticed Plog the pandemonium lord
360497 | Zig:23   | Killed Tuak the pandemonium lord
360497 | Zig:23   | Killed Sogun the pandemonium lord
360497 | Zig:23   | Noticed Orhour the pandemonium lord
360498 | Zig:23   | Noticed Suwip the pandemonium lord
360498 | Zig:23   | Killed Rytipn the pandemonium lord
360498 | Zig:23   | Killed Gughauny the pandemonium lord
360498 | Zig:23   | Noticed Ibunlet the pandemonium lord
360499 | Zig:23   | Killed Besejowk the pandemonium lord
360499 | Zig:23   | Killed Catzonlu the pandemonium lord
360499 | Zig:23   | Killed Jautromi the pandemonium lord
360499 | Zig:23   | Noticed Xorroril the pandemonium lord
360499 | Zig:23   | Noticed Uril the pandemonium lord
360499 | Zig:23   | Noticed Darrip the pandemonium lord
360499 | Zig:23   | Noticed Cureyg the pandemonium lord
360499 | Zig:23   | Noticed Ittu the pandemonium lord
360501 | Zig:23   | Killed Mamidghapp the pandemonium lord
360501 | Zig:23   | Killed Poofaxeal the pandemonium lord
360501 | Zig:23   | Noticed Fyusaisch the pandemonium lord
360502 | Zig:23   | Killed Isaem the pandemonium lord
360502 | Zig:23   | Killed Suwip the pandemonium lord
360502 | Zig:23   | Killed Docuxzou the pandemonium lord
360502 | Zig:23   | Killed Houliuh the pandemonium lord
360502 | Zig:23   | Noticed Utywiec the pandemonium lord
360502 | Zig:23   | Noticed Futy the pandemonium lord
360502 | Zig:23   | Noticed Hurphusuy the pandemonium lord
360502 | Zig:23   | Noticed Wylo the pandemonium lord
360503 | Zig:23   | Killed Sair the pandemonium lord
360503 | Zig:23   | Killed Bemnen the pandemonium lord
360503 | Zig:23   | Killed Eziasisa the pandemonium lord
360503 | Zig:23   | Noticed Xumixko the pandemonium lord
360503 | Zig:23   | Noticed Ruuj the pandemonium lord
360504 | Zig:23   | Killed Ibunlet the pandemonium lord
360504 | Zig:23   | Killed Xorroril the pandemonium lord
360504 | Zig:23   | Noticed Xism the pandemonium lord
360504 | Zig:23   | Noticed Xiguq the pandemonium lord
360505 | Zig:23   | Noticed Jeosam the pandemonium lord
360505 | Zig:23   | Noticed Cuss the pandemonium lord
360505 | Zig:23   | Killed Fyusaisch the pandemonium lord
360505 | Zig:23   | Noticed Pytahal the pandemonium lord
360506 | Zig:23   | Noticed Kotev the pandemonium lord
360506 | Zig:23   | Killed Plog the pandemonium lord
360506 | Zig:23   | Killed Cureyg the pandemonium lord
360506 | Zig:23   | Killed Uril the pandemonium lord
360506 | Zig:23   | Killed Orhour the pandemonium lord
360506 | Zig:23   | Noticed Zedakeadd the pandemonium lord
360506 | Zig:23   | Noticed Sitwuupu the pandemonium lord
360506 | Zig:23   | Noticed Idevyn the pandemonium lord
360507 | Zig:23   | Killed Darrip the pandemonium lord
360507 | Zig:23   | Killed Futy the pandemonium lord
360507 | Zig:23   | Killed Xumixko the pandemonium lord
360507 | Zig:23   | Killed Xiguq the pandemonium lord
360508 | Zig:23   | Noticed Basahova the pandemonium lord
360508 | Zig:23   | Noticed Etotut the pandemonium lord
360508 | Zig:23   | Noticed Biza the pandemonium lord
360508 | Zig:23   | Noticed Goteugec the pandemonium lord
360509 | Zig:23   | Noticed Woexeus the pandemonium lord
360509 | Zig:23   | Noticed Timefoewn the pandemonium lord
360509 | Zig:23   | Noticed Okurch the pandemonium lord
360509 | Zig:23   | Noticed Jufoir the pandemonium lord
360509 | Zig:23   | Noticed Ripoga the pandemonium lord
360509 | Zig:23   | Noticed Baho the pandemonium lord
360510 | Zig:23   | Noticed Muigruki the pandemonium lord
360510 | Zig:23   | Killed Xism the pandemonium lord
360510 | Zig:23   | Killed Jeosam the pandemonium lord
360510 | Zig:23   | Killed Hurphusuy the pandemonium lord
360510 | Zig:23   | Killed Idevyn the pandemonium lord
360510 | Zig:23   | Noticed Wyowem the pandemonium lord
360510 | Zig:23   | Noticed Wasore the pandemonium lord
360511 | Zig:23   | Killed Kotev the pandemonium lord
360511 | Zig:23   | Killed Maetaoz the pandemonium lord
360511 | Zig:23   | Killed Utywiec the pandemonium lord
360511 | Zig:23   | Killed Cuss the pandemonium lord
360511 | Zig:23   | Killed Ripoga the pandemonium lord
360511 | Zig:23   | Killed Ittu the pandemonium lord
360511 | Zig:23   | Killed Baho the pandemonium lord
360511 | Zig:23   | Killed Etotut the pandemonium lord
360512 | Zig:23   | Noticed Quedi the pandemonium lord
360512 | Zig:23   | Killed Zedakeadd the pandemonium lord
360512 | Zig:23   | Killed Ruuj the pandemonium lord
360512 | Zig:23   | Killed Basahova the pandemonium lord
360512 | Zig:23   | Killed Timefoewn the pandemonium lord
360512 | Zig:23   | Killed Pytahal the pandemonium lord
360512 | Zig:23   | Killed Sitwuupu the pandemonium lord
360512 | Zig:23   | Killed Muigruki the pandemonium lord
360512 | Zig:23   | Noticed Soshrino the pandemonium lord
360513 | Zig:23   | Killed Idatalu the pandemonium lord
360513 | Zig:23   | Killed Woexeus the pandemonium lord
360513 | Zig:23   | Noticed Qyama the pandemonium lord
360513 | Zig:23   | Noticed Ginuewke the pandemonium lord
360514 | Zig:23   | Killed Wylo the pandemonium lord
360514 | Zig:23   | Killed Biza the pandemonium lord
360514 | Zig:23   | Noticed Lirup the pandemonium lord
360514 | Zig:23   | Noticed Pafuvec the pandemonium lord
360515 | Zig:23   | Killed Wasore the pandemonium lord
360515 | Zig:23   | Killed Qyama the pandemonium lord
360515 | Zig:23   | Killed Goteugec the pandemonium lord
360515 | Zig:23   | Noticed Orioscha the pandemonium lord
360516 | Zig:23   | Noticed Tody the pandemonium lord
360516 | Zig:23   | Noticed Rasileen the pandemonium lord
360516 | Zig:23   | Noticed Giagyti the pandemonium lord
360517 | Zig:23   | Killed Okurch the pandemonium lord
360517 | Zig:23   | Killed Quedi the pandemonium lord
360517 | Zig:23   | Noticed Tuadeustrin the pandemonium lord
360517 | Zig:23   | Noticed Zetried the pandemonium lord
360518 | Zig:23   | Noticed Ytean the pandemonium lord
360518 | Zig:23   | Noticed Vesse the pandemonium lord
360518 | Zig:23   | Noticed Gonepit the pandemonium lord
360519 | Zig:23   | Noticed Jacaytaurch the pandemonium lord
360519 | Zig:23   | Killed Wyowem the pandemonium lord
360519 | Zig:23   | Killed Orioscha the pandemonium lord
360519 | Zig:23   | Killed Ginuewke the pandemonium lord
360519 | Zig:23   | Killed Soshrino the pandemonium lord
360519 | Zig:23   | Killed Zetried the pandemonium lord
360519 | Zig:23   | Noticed Mihan the pandemonium lord
360519 | Zig:23   | Noticed Celaos the pandemonium lord
360519 | Zig:23   | Noticed Raettiut the pandemonium lord
360520 | Zig:23   | Noticed Muniodaz the pandemonium lord
360521 | Zig:23   | Killed Tody the pandemonium lord
360521 | Zig:23   | Killed Pafuvec the pandemonium lord
360521 | Zig:23   | Noticed Ecenycw the pandemonium lord
360521 | Zig:23   | Noticed Lororydo the pandemonium lord
360522 | Zig:23   | Killed Giagyti the pandemonium lord
360522 | Zig:23   | Killed Lirup the pandemonium lord
360522 | Zig:23   | Killed Rasileen the pandemonium lord
360522 | Zig:23   | Killed Raettiut the pandemonium lord
360522 | Zig:23   | Noticed Rocwyosi the pandemonium lord
360523 | Zig:23   | Noticed Sojybaza the pandemonium lord
360523 | Zig:23   | Killed Gonepit the pandemonium lord
360523 | Zig:23   | Killed Ecenycw the pandemonium lord
360523 | Zig:23   | Killed Lororydo the pandemonium lord
360523 | Zig:23   | Killed Mihan the pandemonium lord
360523 | Zig:23   | Killed Vesse the pandemonium lord
360523 | Zig:23   | Noticed Oxtoz the pandemonium lord
360523 | Zig:23   | Noticed Maxtuxe the pandemonium lord
360523 | Zig:23   | Noticed Doprosoi the pandemonium lord
360524 | Zig:23   | Killed Ytean the pandemonium lord
360524 | Zig:23   | Killed Celaos the pandemonium lord
360524 | Zig:23   | Killed Muniodaz the pandemonium lord
360524 | Zig:23   | Killed Maxtuxe the pandemonium lord
360524 | Zig:23   | Noticed Vuly the pandemonium lord
360524 | Zig:23   | Noticed Cutism the pandemonium lord
360525 | Zig:23   | Noticed Tiff the pandemonium lord
360525 | Zig:23   | Noticed Dyamp the pandemonium lord
360525 | Zig:23   | Noticed Ephaca the pandemonium lord
360526 | Zig:23   | Noticed Paucewa the pandemonium lord
360526 | Zig:23   | Noticed Tufi the pandemonium lord
360526 | Zig:23   | Noticed Ebrun the pandemonium lord
360526 | Zig:23   | Noticed Kolenugu the pandemonium lord
360526 | Zig:23   | Noticed Joqe the pandemonium lord
360526 | Zig:23   | Noticed Fugherr the pandemonium lord
360526 | Zig:23   | Noticed Jaziboeg the pandemonium lord
360526 | Zig:23   | Noticed Ronkoz the pandemonium lord
360526 | Zig:23   | Killed Jacaytaurch the pandemonium lord
360527 | Zig:23   | Noticed Guthai the pandemonium lord
360527 | Zig:23   | Noticed Quylab the pandemonium lord
360527 | Zig:23   | Killed Oxtoz the pandemonium lord
360527 | Zig:23   | Killed Tuadeustrin the pandemonium lord
360527 | Zig:23   | Killed Jufoir the pandemonium lord
360527 | Zig:23   | Noticed Exaimp the pandemonium lord
360527 | Zig:23   | Noticed Wubb the pandemonium lord
360527 | Zig:23   | Noticed Ditin the pandemonium lord
360528 | Zig:23   | Killed Sojybaza the pandemonium lord
360528 | Zig:23   | Killed Ephaca the pandemonium lord
360528 | Zig:23   | Noticed Gethaa the pandemonium lord
360528 | Zig:23   | Noticed Hifat the pandemonium lord
360528 | Zig:23   | Noticed Voas Toatu the pandemonium lord
360529 | Zig:23   | Killed Tiff the pandemonium lord
360529 | Zig:23   | Killed Doprosoi the pandemonium lord
360529 | Zig:23   | Killed Cutism the pandemonium lord
360529 | Zig:23   | Killed Rocwyosi the pandemonium lord
360529 | Zig:23   | Killed Jaziboeg the pandemonium lord
360529 | Zig:23   | Killed Ebrun the pandemonium lord
360529 | Zig:23   | Killed Paucewa the pandemonium lord
360529 | Zig:23   | Killed Kolenugu the pandemonium lord
360529 | Zig:23   | Killed Joqe the pandemonium lord
360529 | Zig:23   | Noticed Gacsiarr the pandemonium lord
360530 | Zig:23   | Killed Dyamp the pandemonium lord
360530 | Zig:23   | Killed Vuly the pandemonium lord
360530 | Zig:23   | Killed Wubb the pandemonium lord
360530 | Zig:23   | Noticed Uschuo the pandemonium lord
360530 | Zig:23   | Noticed Kyfaosed the pandemonium lord
360530 | Zig:23   | Noticed Mascheeked the pandemonium lord
360530 | Zig:23   | Noticed Munlel the pandemonium lord
360531 | Zig:23   | Noticed Luell the pandemonium lord
360531 | Zig:23   | Noticed Etazir the pandemonium lord
360531 | Zig:23   | Noticed Yjefeid the pandemonium lord
360531 | Zig:23   | Noticed Marepim the pandemonium lord
360531 | Zig:23   | Killed Exaimp the pandemonium lord
360531 | Zig:23   | Killed Guthai the pandemonium lord
360531 | Zig:23   | Killed Hifat the pandemonium lord
360531 | Zig:23   | Noticed Gonn the pandemonium lord
360531 | Zig:23   | Noticed Bophesemu the pandemonium lord
360532 | Zig:23   | Noticed Qopnex the pandemonium lord
360532 | Zig:23   | Noticed Xap Elum the pandemonium lord
360532 | Zig:23   | Killed Marepim the pandemonium lord
360532 | Zig:23   | Killed Voas Toatu the pandemonium lord
360532 | Zig:23   | Noticed Jaysa the pandemonium lord
360533 | Zig:23   | Killed Etazir the pandemonium lord
360533 | Zig:23   | Killed Yjefeid the pandemonium lord
360533 | Zig:23   | Killed Luell the pandemonium lord
360533 | Zig:23   | Killed Munlel the pandemonium lord
360533 | Zig:23   | Killed Ronkoz the pandemonium lord
360533 | Zig:23   | Noticed Sonlimas the pandemonium lord
360533 | Zig:23   | Noticed Ruqanes the pandemonium lord
360534 | Zig:23   | Noticed Iffen the pandemonium lord
360534 | Zig:23   | Noticed Mycig the pandemonium lord
360535 | Zig:23   | Killed Qopnex the pandemonium lord
360535 | Zig:23   | Killed Tufi the pandemonium lord
360535 | Zig:23   | Killed Fugherr the pandemonium lord
360535 | Zig:23   | Killed Gethaa the pandemonium lord
360535 | Zig:23   | Killed Quylab the pandemonium lord
360535 | Zig:23   | Killed Gacsiarr the pandemonium lord
360535 | Zig:23   | Noticed Qoehotex the pandemonium lord
360536 | Zig:23   | Noticed Emuptohy the pandemonium lord
360536 | Zig:23   | Killed Uschuo the pandemonium lord
360536 | Zig:23   | Killed Mascheeked the pandemonium lord
360536 | Zig:23   | Killed Bophesemu the pandemonium lord
360536 | Zig:23   | Killed Ditin the pandemonium lord
360536 | Zig:23   | Killed Baigiudd the pandemonium lord
360536 | Zig:23   | Killed Sonlimas the pandemonium lord
360536 | Zig:23   | Noticed Wiel the pandemonium lord
360536 | Zig:23   | Noticed Josh the pandemonium lord
360536 | Zig:23   | Noticed Riypp the pandemonium lord
360537 | Zig:23   | Killed Jaysa the pandemonium lord
360537 | Zig:23   | Killed Xap Elum the pandemonium lord
360537 | Zig:23   | Killed Kyfaosed the pandemonium lord
360537 | Zig:23   | Killed Mycig the pandemonium lord
360537 | Zig:23   | Killed Qoehotex the pandemonium lord
360537 | Zig:23   | Noticed Kaeroith the pandemonium lord
360537 | Zig:23   | Noticed Hauta the pandemonium lord
360537 | Zig:23   | Noticed Kaatt the pandemonium lord
360537 | Zig:23   | Noticed Micuehiz the pandemonium lord
360537 | Zig:23   | Noticed Sepoelel the pandemonium lord
360538 | Zig:23   | Killed Iffen the pandemonium lord
360538 | Zig:23   | Killed Gonn the pandemonium lord
360538 | Zig:23   | Killed Kaeroith the pandemonium lord
360538 | Zig:23   | Killed Emuptohy the pandemonium lord
360538 | Zig:23   | Killed Josh the pandemonium lord
360538 | Zig:23   | Noticed Utatzogo the pandemonium lord
360540 | Zig:23   | Noticed Wobabij the pandemonium lord
360540 | Zig:23   | Noticed Quwewueb the pandemonium lord
360540 | Zig:23   | Noticed Asmeodgh the pandemonium lord
360540 | Zig:23   | Noticed Vegiqeo the pandemonium lord
360540 | Zig:23   | Noticed Etupumn the pandemonium lord
360540 | Zig:23   | Noticed Renyjezu the pandemonium lord
360540 | Zig:23   | Killed Wiel the pandemonium lord
360540 | Zig:23   | Killed Hiofal the pandemonium lord
360541 | Zig:23   | Killed Wobabij the pandemonium lord
360541 | Zig:23   | Killed Ruqanes the pandemonium lord
360541 | Zig:23   | Killed Etupumn the pandemonium lord
360541 | Zig:23   | Noticed Sujoi the pandemonium lord
360541 | Zig:23   | Noticed Uhiphaagu the pandemonium lord
360541 | Zig:23   | Noticed Rah Myla the pandemonium lord
360541 | Zig:23   | Noticed Anwarud the pandemonium lord
360542 | Zig:23   | Noticed Matais the pandemonium lord
360542 | Zig:23   | Noticed Pulahy the pandemonium lord
360542 | Zig:23   | Noticed Ciunaun the pandemonium lord
360542 | Zig:23   | Noticed Cuquej the pandemonium lord
360542 | Zig:23   | Killed Kaatt the pandemonium lord
360542 | Zig:23   | Killed Vegiqeo the pandemonium lord
360542 | Zig:23   | Killed Riypp the pandemonium lord
360542 | Zig:23   | Killed Sepoelel the pandemonium lord
360542 | Zig:23   | Noticed Tocrerim the pandemonium lord
360542 | Zig:23   | Noticed Kufe the pandemonium lord
360542 | Zig:23   | Noticed Naveunt the pandemonium lord
360542 | Zig:23   | Noticed Cipezif the pandemonium lord
360542 | Zig:23   | Noticed Qeddeiti the pandemonium lord
360543 | Zig:23   | Noticed Vamuher the pandemonium lord
360543 | Zig:23   | Noticed Ulusmake the pandemonium lord
360543 | Zig:23   | Noticed Emebruu the pandemonium lord
360544 | Zig:23   | Noticed Iffor the pandemonium lord
360544 | Zig:23   | Killed Quwewueb the pandemonium lord
360544 | Zig:23   | Killed Cuquej the pandemonium lord
360544 | Zig:23   | Killed Renyjezu the pandemonium lord
360544 | Zig:23   | Killed Utatzogo the pandemonium lord
360544 | Zig:23   | Killed Ulusmake the pandemonium lord
360544 | Zig:23   | Noticed Reblypho the pandemonium lord
360545 | Zig:23   | Noticed Qaohih the pandemonium lord
360545 | Zig:23   | Killed Pulahy the pandemonium lord
360545 | Zig:23   | Killed Asmeodgh the pandemonium lord
360545 | Zig:23   | Noticed Otenigog the pandemonium lord
360545 | Zig:23   | Noticed Manawyest the pandemonium lord
360545 | Zig:23   | Noticed Juolijaim the pandemonium lord
360546 | Zig:23   | Noticed Qiodav the pandemonium lord
360546 | Zig:23   | Noticed Buguevupp the pandemonium lord
360547 | Zig:23   | Killed Anwarud the pandemonium lord
360547 | Zig:23   | Killed Rah Myla the pandemonium lord
360547 | Zig:23   | Killed Kufe the pandemonium lord
360547 | Zig:23   | Killed Micuehiz the pandemonium lord
360547 | Zig:23   | Killed Vamuher the pandemonium lord
360547 | Zig:23   | Noticed Idaysmul the pandemonium lord
360547 | Zig:23   | Noticed Zilops the pandemonium lord
360547 | Zig:23   | Noticed Nouviasi the pandemonium lord
360548 | Zig:23   | Noticed Usavemp the pandemonium lord
360549 | Zig:23   | Noticed Waluzel the pandemonium lord
360549 | Zig:23   | Noticed Oddaxky the pandemonium lord
360550 | Zig:23   | Killed Sujoi the pandemonium lord
360550 | Zig:23   | Killed Emebruu the pandemonium lord
360550 | Zig:23   | Killed Uhiphaagu the pandemonium lord
360550 | Zig:23   | Killed Matais the pandemonium lord
360550 | Zig:23   | Killed Hauta the pandemonium lord
360550 | Zig:23   | Killed Qeddeiti the pandemonium lord
360550 | Zig:23   | Killed Cipezif the pandemonium lord
360550 | Zig:23   | Noticed Xaocw the pandemonium lord
360551 | Zig:23   | Noticed Hacvosir the pandemonium lord
360551 | Zig:23   | Killed Nouviasi the pandemonium lord
360551 | Zig:23   | Killed Naveunt the pandemonium lord
360551 | Zig:23   | Killed Qiodav the pandemonium lord
360551 | Zig:23   | Killed Juolijaim the pandemonium lord
360551 | Zig:23   | Killed Zilops the pandemonium lord
360551 | Zig:23   | Killed Usavemp the pandemonium lord
360551 | Zig:23   | Killed Tocrerim the pandemonium lord
360551 | Zig:23   | Killed Ciunaun the pandemonium lord
360551 | Zig:23   | Killed Otenigog the pandemonium lord
360551 | Zig:23   | Killed Buguevupp the pandemonium lord
360551 | Zig:23   | Noticed Taoqesann the pandemonium lord
360551 | Zig:23   | Noticed Wiemm the pandemonium lord
360551 | Zig:23   | Noticed Teasaal the pandemonium lord
360551 | Zig:23   | Noticed Ehocok the pandemonium lord
360551 | Zig:23   | Noticed Dekolog the pandemonium lord
360552 | Zig:23   | Killed Qaohih the pandemonium lord
360552 | Zig:23   | Killed Idaysmul the pandemonium lord
360552 | Zig:23   | Killed Manawyest the pandemonium lord
360552 | Zig:23   | Killed Waluzel the pandemonium lord
360552 | Zig:23   | Killed Wiemm the pandemonium lord
360552 | Zig:23   | Noticed Atwofosy the pandemonium lord
360553 | Zig:23   | Noticed Pamuujoh the pandemonium lord
360553 | Zig:23   | Killed Iffor the pandemonium lord
360553 | Zig:23   | Killed Reblypho the pandemonium lord
360553 | Zig:23   | Killed Teasaal the pandemonium lord
360553 | Zig:23   | Noticed Beyted the pandemonium lord
360553 | Zig:23   | Noticed Ezaystekko the pandemonium lord
360553 | Zig:23   | Noticed Miatisk the pandemonium lord
360554 | Zig:23   | Killed Xaocw the pandemonium lord
360554 | Zig:23   | Killed Hacvosir the pandemonium lord
360554 | Zig:23   | Noticed Tumu Jec the pandemonium lord
360554 | Zig:23   | Noticed Ukkonicu the pandemonium lord
360555 | Zig:23   | Killed Ehocok the pandemonium lord
360555 | Zig:23   | Killed Taoqesann the pandemonium lord
360555 | Zig:23   | Killed Dekolog the pandemonium lord
360555 | Zig:23   | Noticed Xidiuh the pandemonium lord
360556 | Zig:23   | Noticed Manir the pandemonium lord
360556 | Zig:23   | Noticed Nouff the pandemonium lord
360557 | Zig:23   | Killed Beyted the pandemonium lord
360557 | Zig:23   | Killed Ukkonicu the pandemonium lord
360557 | Zig:23   | Killed Pamuujoh the pandemonium lord
360557 | Zig:23   | Noticed Qodghe the pandemonium lord
360557 | Zig:23   | Noticed Quwuixa the pandemonium lord
360558 | Zig:23   | Noticed Exkalais the pandemonium lord
360558 | Zig:23   | Killed Miatisk the pandemonium lord
360558 | Zig:23   | Noticed Ypne the pandemonium lord
360558 | Zig:23   | Noticed Uneyczuc the pandemonium lord
360559 | Zig:23   | Noticed Coguecia the pandemonium lord
360559 | Zig:23   | Noticed Ywes the pandemonium lord
360559 | Zig:23   | Noticed Buazuff the pandemonium lord
360560 | Zig:23   | Noticed Teranej the pandemonium lord
360561 | Zig:23   | Noticed Godedd the pandemonium lord
360563 | Zig:23   | Killed Oddaxky the pandemonium lord
360563 | Zig:23   | Killed Tumu Jec the pandemonium lord
360563 | Zig:23   | Killed Atwofosy the pandemonium lord
360563 | Zig:23   | Killed Ezaystekko the pandemonium lord
360563 | Zig:23   | Noticed Pilidd the pandemonium lord
360564 | Zig:23   | Killed Qodghe the pandemonium lord
360564 | Zig:23   | Killed Ypne the pandemonium lord
360564 | Zig:23   | Killed Nouff the pandemonium lord
360564 | Zig:23   | Killed Manir the pandemonium lord
360564 | Zig:23   | Killed Coguecia the pandemonium lord
360564 | Zig:23   | Killed Teranej the pandemonium lord
360564 | Zig:23   | Noticed Xeum the pandemonium lord
360564 | Zig:23   | Noticed Dirolewi the pandemonium lord
360564 | Zig:23   | Noticed Byorphaka the pandemonium lord
360566 | Zig:23   | Killed Quwuixa the pandemonium lord
360566 | Zig:23   | Killed Godedd the pandemonium lord
360566 | Zig:23   | Killed Exkalais the pandemonium lord
360566 | Zig:23   | Noticed Wougun the pandemonium lord
360566 | Zig:23   | Noticed Laesuav the pandemonium lord
360567 | Zig:23   | Killed Ywes the pandemonium lord
360567 | Zig:23   | Killed Uneyczuc the pandemonium lord
360567 | Zig:23   | Noticed Asaraibi the pandemonium lord
360568 | Zig:23   | Killed Wougun the pandemonium lord
360568 | Zig:23   | Killed Buazuff the pandemonium lord
360568 | Zig:23   | Killed Xidiuh the pandemonium lord
360568 | Zig:23   | Killed Byorphaka the pandemonium lord
360568 | Zig:23   | Killed Dirolewi the pandemonium lord
360568 | Zig:23   | Killed Pilidd the pandemonium lord
360568 | Zig:23   | Noticed Yjar the pandemonium lord
360568 | Zig:23   | Noticed Foddog the pandemonium lord
360568 | Zig:23   | Noticed Rucre the pandemonium lord
360568 | Zig:23   | Noticed Vetuq the pandemonium lord
360568 | Zig:23   | Noticed Xado Hog the pandemonium lord
360569 | Zig:23   | Killed Xeum the pandemonium lord
360569 | Zig:23   | Killed Vetuq the pandemonium lord
360569 | Zig:23   | Killed Laesuav the pandemonium lord
360570 | Zig:23   | Killed Asaraibi the pandemonium lord
360570 | Zig:23   | Killed Yjar the pandemonium lord
360570 | Zig:23   | Killed Rucre the pandemonium lord
360570 | Zig:23   | Noticed Agaotuen the pandemonium lord
360570 | Zig:23   | Noticed Kotijoi the pandemonium lord
360571 | Zig:23   | Noticed Hiess the pandemonium lord
360571 | Zig:23   | Noticed Qineo the pandemonium lord
360571 | Zig:23   | Noticed Haro the pandemonium lord
360572 | Zig:23   | Killed Xado Hog the pandemonium lord
360572 | Zig:23   | Killed Kotijoi the pandemonium lord
360572 | Zig:23   | Noticed Kuder the pandemonium lord
360572 | Zig:23   | Noticed Lutel the pandemonium lord
360573 | Zig:23   | Killed Hiess the pandemonium lord
360573 | Zig:23   | Killed Haro the pandemonium lord
360573 | Zig:23   | Noticed Beduusol the pandemonium lord
360574 | Zig:23   | Noticed Qokeer the pandemonium lord
360575 | Zig:23   | Noticed Anwoypi the pandemonium lord
360575 | Zig:23   | Noticed Pupsocwy the pandemonium lord
360575 | Zig:23   | Noticed Oschub the pandemonium lord
360576 | Zig:23   | Killed Qineo the pandemonium lord
360576 | Zig:23   | Killed Pupsocwy the pandemonium lord
360576 | Zig:23   | Killed Anwoypi the pandemonium lord
360576 | Zig:23   | Noticed Qemuug the pandemonium lord
360576 | Zig:23   | Noticed Sawat the pandemonium lord
360577 | Zig:23   | Noticed Eggilebi the pandemonium lord
360579 | Zig:23   | Noticed Fanyi the pandemonium lord
360581 | Zig:23   | Noticed Woityul the pandemonium lord
360582 | Zig:23   | Noticed Sosoat the pandemonium lord
360582 | Zig:23   | Noticed Weireuf the pandemonium lord
360583 | Zig:23   | Killed Kuder the pandemonium lord
360583 | Zig:23   | Killed Agaotuen the pandemonium lord
360583 | Zig:23   | Killed Lutel the pandemonium lord
360583 | Zig:23   | Killed Oschub the pandemonium lord
360584 | Zig:23   | Killed Sawat the pandemonium lord
360584 | Zig:23   | Killed Beduusol the pandemonium lord
360584 | Zig:23   | Killed Foddog the pandemonium lord
360584 | Zig:23   | Killed Qemuug the pandemonium lord
360584 | Zig:23   | Noticed Ysicwyttaba the pandemonium lord
360584 | Zig:23   | Killed Eggilebi the pandemonium lord
360585 | Zig:23   | Noticed Amerph the pandemonium lord
360585 | Zig:23   | Killed Qokeer the pandemonium lord
360585 | Zig:23   | Noticed Mickuiro the pandemonium lord
360586 | Zig:23   | Killed Woityul the pandemonium lord
360586 | Zig:23   | Killed Amerph the pandemonium lord
360586 | Zig:23   | Killed Weireuf the pandemonium lord
360587 | Zig:23   | Noticed Cextauto the pandemonium lord
360587 | Zig:23   | Noticed Diguufos the pandemonium lord
360587 | Zig:23   | Noticed Caamikaz the pandemonium lord
360587 | Zig:23   | Killed Fanyi the pandemonium lord
360587 | Zig:23   | Noticed Nyocuc the pandemonium lord
360588 | Zig:23   | Killed Ysicwyttaba the pandemonium lord
360588 | Zig:23   | Killed Caamikaz the pandemonium lord
360588 | Zig:23   | Killed Sosoat the pandemonium lord
360589 | Zig:23   | Killed Mickuiro the pandemonium lord
360589 | Zig:23   | Killed Cextauto the pandemonium lord
360590 | Zig:23   | Noticed Plog the pandemonium lord
360590 | Zig:23   | Noticed Dejaps the pandemonium lord
360590 | Zig:23   | Noticed Yshul the pandemonium lord
360591 | Zig:23   | Killed Diguufos the pandemonium lord
360591 | Zig:23   | Killed Nyocuc the pandemonium lord
360592 | Zig:23   | Noticed Josuca the pandemonium lord
360592 | Zig:23   | Noticed Gygobeq the pandemonium lord
360592 | Zig:23   | Noticed Ohaegrafyox the pandemonium lord
360592 | Zig:23   | Noticed Hose the pandemonium lord
360593 | Zig:23   | Killed Dejaps the pandemonium lord
360593 | Zig:23   | Killed Plog the pandemonium lord
360593 | Zig:23   | Noticed Dawo the pandemonium lord
360595 | Zig:23   | Killed Yshul the pandemonium lord
360595 | Zig:23   | Noticed Vuotemati the pandemonium lord
360596 | Zig:23   | Noticed Gaakkeu the pandemonium lord
360597 | Zig:23   | Killed Ohaegrafyox the pandemonium lord
360597 | Zig:23   | Killed Gygobeq the pandemonium lord
360597 | Zig:23   | Killed Hose the pandemonium lord
360597 | Zig:23   | Killed Josuca the pandemonium lord
360598 | Zig:23   | Killed Dawo the pandemonium lord
360598 | Zig:23   | Killed Gaakkeu the pandemonium lord
360601 | Zig:23   | Noticed Moaris the pandemonium lord
360601 | Zig:23   | Noticed Wawu the pandemonium lord
360605 | Zig:23   | Killed Vuotemati the pandemonium lord
360606 | Zig:23   | Killed Wawu the pandemonium lord
360608 | Zig:23   | Noticed Jasoizocw the pandemonium lord
360611 | Zig:23   | Killed Moaris the pandemonium lord
360615 | Zig:23   | Killed Jasoizocw the pandemonium lord
361211 | Zig:23   | Identified the +7 short sword "Tossudiotz" {heavy, rC+
                  | Dex+6}
361212 | Zig:23   | Identified the +4 trident "Aluzetuw" {speed, rF+ MP+9
                  | Stlth+}
361216 | Zig:23   | Identified the amulet of the Neverending Cities {Harm Will-
                  | Regen+ Slay+4}
361225 | Zig:23   | Identified the +7 trident "Huaj" {drain, Int+2 Dex+3}
361231 | Zig:23   | Identified the +8 quarterstaff "Qeagg" {pain, +Blink}
361236 | Zig:23   | Identified the +0 robe "Gasit" {*Corrode +Blink rN+}
361255 | Zig:23   | Identified the +2 flail "Noriyhosk" {holy, Fly rPois rF-
                  | rC++}
361258 | Zig:23   | Identified the +0 robe of Qukoob {Will+}
361259 | Zig:23   | Identified the staff of cold "Rocigudd" {+Blink rC+ Will+
                  | rCorr Dex-3}
361260 | Zig:23   | Identified the +9 flail "Cuixong" {distort, rF+ Int+5}
361305 | Zig:24   | Entered Level 24 of a ziggurat
361305 | Zig:24   | Noticed a royal mummy
361305 | Zig:24   | Noticed a royal mummy
361305 | Zig:24   | Noticed a royal mummy
361305 | Zig:24   | Noticed a royal mummy
361305 | Zig:24   | Noticed a royal mummy
361305 | Zig:24   | Noticed a royal mummy
361305 | Zig:24   | Noticed a royal mummy
361305 | Zig:24   | Noticed a royal mummy
361305 | Zig:24   | Noticed a royal mummy
361305 | Zig:24   | Noticed a royal mummy
361305 | Zig:24   | Noticed a royal mummy
361305 | Zig:24   | Noticed a royal mummy
361305 | Zig:24   | Noticed a royal mummy
361305 | Zig:24   | Noticed a royal mummy
361305 | Zig:24   | Noticed a royal mummy
361305 | Zig:24   | Noticed a royal mummy
361305 | Zig:24   | Noticed a royal mummy
361305 | Zig:24   | Noticed a royal mummy
361305 | Zig:24   | Noticed a royal mummy
361305 | Zig:24   | Noticed a royal mummy
361306 | Zig:24   | Killed a royal mummy
361306 | Zig:24   | Killed a royal mummy
361306 | Zig:24   | Killed a royal mummy
361306 | Zig:24   | Killed a royal mummy
361306 | Zig:24   | Killed a royal mummy
361306 | Zig:24   | Killed a royal mummy
361306 | Zig:24   | Killed a royal mummy
361306 | Zig:24   | Killed a royal mummy
361306 | Zig:24   | Killed a royal mummy
361306 | Zig:24   | Killed a royal mummy
361306 | Zig:24   | Killed a royal mummy
361306 | Zig:24   | Killed a royal mummy
361306 | Zig:24   | Killed a royal mummy
361306 | Zig:24   | Killed a royal mummy
361306 | Zig:24   | Killed a royal mummy
361306 | Zig:24   | Killed a royal mummy
361306 | Zig:24   | Killed a royal mummy
361308 | Zig:24   | Noticed a royal mummy
361308 | Zig:24   | Noticed a royal mummy
361308 | Zig:24   | Noticed a royal mummy
361308 | Zig:24   | Noticed a royal mummy
361309 | Zig:24   | Noticed a royal mummy
361309 | Zig:24   | Killed a royal mummy
361310 | Zig:24   | Killed a royal mummy
361310 | Zig:24   | Noticed a royal mummy
361310 | Zig:24   | Noticed a royal mummy
361310 | Zig:24   | Noticed a royal mummy
361311 | Zig:24   | Killed a royal mummy
361311 | Zig:24   | Noticed a royal mummy
361312 | Zig:24   | Killed a royal mummy
361312 | Zig:24   | Noticed a royal mummy
361313 | Zig:24   | Noticed a dread lich
361313 | Zig:24   | Noticed a royal mummy
361313 | Zig:24   | Noticed a royal mummy
361313 | Zig:24   | Noticed a royal mummy
361314 | Zig:24   | Noticed a royal mummy
361314 | Zig:24   | Noticed a royal mummy
361316 | Zig:24   | Killed a royal mummy
361316 | Zig:24   | Killed a royal mummy
361316 | Zig:24   | Killed a royal mummy
361316 | Zig:24   | Killed a dread lich
361316 | Zig:24   | Killed a royal mummy
361316 | Zig:24   | Killed a royal mummy
361316 | Zig:24   | Killed a royal mummy
361316 | Zig:24   | Killed a royal mummy
361316 | Zig:24   | Killed a royal mummy
361316 | Zig:24   | Killed a royal mummy
361316 | Zig:24   | Killed a royal mummy
361316 | Zig:24   | Noticed a royal mummy
361317 | Zig:24   | Killed a royal mummy
361317 | Zig:24   | Killed a royal mummy
361317 | Zig:24   | Killed a royal mummy
361317 | Zig:24   | Killed a royal mummy
361317 | Zig:24   | Killed a royal mummy
361317 | Zig:24   | Noticed a royal mummy
361317 | Zig:24   | Noticed a royal mummy
361318 | Zig:24   | Noticed a royal mummy
361318 | Zig:24   | Noticed a royal mummy
361318 | Zig:24   | Noticed a royal mummy
361318 | Zig:24   | Noticed a royal mummy
361319 | Zig:24   | Noticed a royal mummy
361320 | Zig:24   | Noticed a royal mummy
361320 | Zig:24   | Noticed a royal mummy
361320 | Zig:24   | Noticed a royal mummy
361320 | Zig:24   | Noticed a royal mummy
361321 | Zig:24   | Noticed a royal mummy
361321 | Zig:24   | Noticed a royal mummy
361321 | Zig:24   | Noticed a royal mummy
361322 | Zig:24   | Killed a royal mummy
361322 | Zig:24   | Killed a royal mummy
361322 | Zig:24   | Killed a royal mummy
361322 | Zig:24   | Killed a royal mummy
361322 | Zig:24   | Killed a royal mummy
361322 | Zig:24   | Killed a royal mummy
361322 | Zig:24   | Killed a royal mummy
361322 | Zig:24   | Killed a royal mummy
361322 | Zig:24   | Killed a royal mummy
361322 | Zig:24   | Killed a royal mummy
361322 | Zig:24   | Noticed a royal mummy
361322 | Zig:24   | Noticed a royal mummy
361323 | Zig:24   | Killed a royal mummy
361323 | Zig:24   | Killed a royal mummy
361323 | Zig:24   | Killed a royal mummy
361323 | Zig:24   | Killed a royal mummy
361323 | Zig:24   | Noticed a royal mummy
361323 | Zig:24   | Noticed a royal mummy
361324 | Zig:24   | Noticed a royal mummy
361324 | Zig:24   | Noticed a royal mummy
361324 | Zig:24   | Noticed a royal mummy
361324 | Zig:24   | Noticed a royal mummy
361324 | Zig:24   | Noticed a royal mummy
361325 | Zig:24   | Noticed a royal mummy
361325 | Zig:24   | Noticed a royal mummy
361325 | Zig:24   | Noticed a royal mummy
361326 | Zig:24   | Killed a royal mummy
361326 | Zig:24   | Killed a royal mummy
361326 | Zig:24   | Killed a royal mummy
361326 | Zig:24   | Killed a royal mummy
361326 | Zig:24   | Killed a royal mummy
361326 | Zig:24   | Killed a royal mummy
361326 | Zig:24   | Killed a royal mummy
361326 | Zig:24   | Noticed a royal mummy
361326 | Zig:24   | Noticed a royal mummy
361326 | Zig:24   | Noticed a royal mummy
361326 | Zig:24   | Noticed a royal mummy
361327 | Zig:24   | Killed a royal mummy
361327 | Zig:24   | Killed a royal mummy
361327 | Zig:24   | Killed a royal mummy
361327 | Zig:24   | Killed a royal mummy
361327 | Zig:24   | Killed a royal mummy
361327 | Zig:24   | Noticed a royal mummy
361327 | Zig:24   | Noticed a royal mummy
361328 | Zig:24   | Killed a royal mummy
361328 | Zig:24   | Killed a royal mummy
361328 | Zig:24   | Killed a royal mummy
361328 | Zig:24   | Noticed a royal mummy
361328 | Zig:24   | Noticed a royal mummy
361328 | Zig:24   | Noticed a royal mummy
361328 | Zig:24   | Noticed a royal mummy
361329 | Zig:24   | Noticed a royal mummy
361330 | Zig:24   | Noticed a royal mummy
361330 | Zig:24   | Noticed a royal mummy
361331 | Zig:24   | Noticed a royal mummy
361331 | Zig:24   | Noticed a royal mummy
361331 | Zig:24   | Noticed a royal mummy
361331 | Zig:24   | Noticed a royal mummy
361331 | Zig:24   | Noticed a royal mummy
361331 | Zig:24   | Noticed a royal mummy
361332 | Zig:24   | Killed a royal mummy
361332 | Zig:24   | Killed a royal mummy
361332 | Zig:24   | Killed a royal mummy
361332 | Zig:24   | Killed a royal mummy
361332 | Zig:24   | Killed a royal mummy
361332 | Zig:24   | Killed a royal mummy
361332 | Zig:24   | Killed a royal mummy
361332 | Zig:24   | Killed a royal mummy
361332 | Zig:24   | Killed a royal mummy
361332 | Zig:24   | Killed a royal mummy
361332 | Zig:24   | Killed a royal mummy
361332 | Zig:24   | Noticed a royal mummy
361332 | Zig:24   | Noticed a royal mummy
361332 | Zig:24   | Noticed a royal mummy
361333 | Zig:24   | Killed a royal mummy
361333 | Zig:24   | Killed a royal mummy
361333 | Zig:24   | Noticed a royal mummy
361333 | Zig:24   | Noticed a royal mummy
361333 | Zig:24   | Noticed a royal mummy
361334 | Zig:24   | Killed a royal mummy
361334 | Zig:24   | Killed a royal mummy
361334 | Zig:24   | Killed a royal mummy
361334 | Zig:24   | Killed a royal mummy
361334 | Zig:24   | Killed a royal mummy
361334 | Zig:24   | Noticed a royal mummy
361335 | Zig:24   | Noticed a royal mummy
361335 | Zig:24   | Noticed a royal mummy
361336 | Zig:24   | Killed a royal mummy
361336 | Zig:24   | Killed a royal mummy
361336 | Zig:24   | Killed a royal mummy
361336 | Zig:24   | Noticed a royal mummy
361336 | Zig:24   | Noticed a royal mummy
361337 | Zig:24   | Noticed a royal mummy
361338 | Zig:24   | Noticed a royal mummy
361338 | Zig:24   | Noticed a royal mummy
361339 | Zig:24   | Killed a royal mummy
361339 | Zig:24   | Killed a royal mummy
361339 | Zig:24   | Killed a royal mummy
361339 | Zig:24   | Killed a royal mummy
361339 | Zig:24   | Killed a royal mummy
361339 | Zig:24   | Killed a royal mummy
361340 | Zig:24   | Killed a royal mummy
361340 | Zig:24   | Killed a royal mummy
361340 | Zig:24   | Noticed a royal mummy
361340 | Zig:24   | Noticed a royal mummy
361340 | Zig:24   | Noticed a royal mummy
361341 | Zig:24   | Noticed a royal mummy
361341 | Zig:24   | Noticed a royal mummy
361342 | Zig:24   | Noticed a royal mummy
361342 | Zig:24   | Noticed a royal mummy
361343 | Zig:24   | Noticed a royal mummy
361343 | Zig:24   | Noticed a royal mummy
361344 | Zig:24   | Noticed a royal mummy
361346 | Zig:24   | Noticed a royal mummy
361348 | Zig:24   | Killed a royal mummy
361348 | Zig:24   | Killed a royal mummy
361348 | Zig:24   | Killed a royal mummy
361348 | Zig:24   | Killed a royal mummy
361348 | Zig:24   | Killed a royal mummy
361348 | Zig:24   | Killed a royal mummy
361348 | Zig:24   | Killed a royal mummy
361348 | Zig:24   | Killed a royal mummy
361348 | Zig:24   | Killed a royal mummy
361348 | Zig:24   | Killed a royal mummy
361348 | Zig:24   | Killed a royal mummy
361349 | Zig:24   | Noticed a royal mummy
361353 | Zig:24   | Noticed a royal mummy
361353 | Zig:24   | Noticed a royal mummy
361353 | Zig:24   | Killed a royal mummy
361360 | Zig:24   | Killed a royal mummy
361361 | Zig:24   | Killed a royal mummy
361363 | Zig:24   | Killed a royal mummy
362102 | Zig:24   | Identified the +0 flail of Immorality {flame, Fly}
362103 | Zig:24   | Identified the +0 arbalest of the Final Mice {heavy, rN++
                  | MP-9 Int+2}
362111 | Zig:24   | Identified the amulet "Saribeqe" {Acrobat Contam rN+ Int+3}
362113 | Zig:24   | Identified the ring of Ufecok {Ice Str+5}
362120 | Zig:24   | Acquired 735 gold pieces
362124 | Zig:24   | Identified the staff of cold "Muydd" {Contam rF+ rC+ rCorr}
362128 | Zig:24   | Identified the +7 crystal plate armour of Gluttony {Contam
                  | rElec Int+6}
362130 | Zig:24   | Identified the ring of Sarcheum {rC+ Int+6 Dex+3}
362139 | Zig:24   | Identified the staff of death "Hatosite" {rN+ rCorr}
362140 | Zig:24   | Identified the +4 quarterstaff of the Desert {flame, rElec
                  | rPois Will- rCorr}
362331 | Zig:25   | Entered Level 25 of a ziggurat
362903 | Zig:25   | Identified the +7 broad axe of Benevolence {protect, Will+}
362907 | Zig:25   | Identified the +3 arbalest of Uncomfortable Rashes
                  | {antimagic, rPois rN+ Int+3}
362910 | Zig:25   | Identified the staff of earth "Dofy" {rPois Int-2 Dex+7
                  | Stlth-}
362923 | Zig:25   | Identified the +5 morningstar of Vengeance {freeze, rPois
                  | rN+++ MP-9 Dex+2}
362931 | Zig:25   | Identified the +0 robe of Resourcefulness {rPois Dex+3}
362936 | Zig:25   | Identified the +9 short sword "Zuphu" {heavy, Str+5 Dex-2}
362937 | Zig:25   | Identified the +3 shortbow of Awnoh {freeze, rElec rF+}
362938 | Zig:25   | Identified the +0 scale mail of Honour {Str+4}
362950 | Zig:25   | Identified the +5 chain mail of the Special Persimmons
                  | {Str+4}
362965 | Zig:25   | Identified the +8 morningstar of Responsibility {venom,
                  | Dex+5 SInv}
362971 | Zig:25   | Identified the +3 chain mail of Abstinence {rPois Dex+6
                  | Stlth-}
362982 | Zig:25   | Identified the +2 rapier of Gedices {freeze, rPois rF++
                  | Will- Dex+2}
362992 | Zig:25   | Identified the staff of fire "Kuxzutzi" {rF+ Str+5}
363002 | Zig:25   | Identified the staff of earth "Viopnomu" {rPois Int-5 Dex+5
                  | SInv}
363004 | Zig:25   | Identified the +2 robe "Tinn" {rPois rF+ Regen+ Str+4}
363014 | Zig:25   | Identified the staff of fire "Niabb" {rF+ rC+ rN+}
363020 | Zig:25   | Identified the +5 falchion "Tyxkont" {speed, Contam rN+
                  | rCorr}
363028 | Zig:25   | Identified the +1 sling of Sharkskin {antimagic, rN+ Str+4
                  | Int-3}
363497 | Zig:26   | Entered Level 26 of a ziggurat
363498 | Zig:26   | Noticed an ancient lich
363499 | Zig:26   | Noticed an ancient lich
363499 | Zig:26   | Noticed an ancient lich
363499 | Zig:26   | Noticed a dread lich
363499 | Zig:26   | Noticed an ancient lich
363500 | Zig:26   | Noticed an ancient lich
363500 | Zig:26   | Noticed a dread lich
363501 | Zig:26   | Noticed an ancient lich
363502 | Zig:26   | Killed a dread lich
363502 | Zig:26   | Killed an ancient lich
363502 | Zig:26   | Killed an ancient lich
363502 | Zig:26   | Killed a dread lich
363503 | Zig:26   | Noticed an ancient lich
363504 | Zig:26   | Noticed an ancient lich
363504 | Zig:26   | Noticed an ancient lich
363505 | Zig:26   | Noticed an ancient lich
363505 | Zig:26   | Killed an ancient lich
363506 | Zig:26   | Noticed a dread lich
363506 | Zig:26   | Noticed an ancient lich
363507 | Zig:26   | Noticed an ancient lich
363507 | Zig:26   | Noticed an ancient lich
363507 | Zig:26   | Noticed an ancient lich
363509 | Zig:26   | Killed an ancient lich
363509 | Zig:26   | Killed an ancient lich
363509 | Zig:26   | Killed a dread lich
363509 | Zig:26   | Killed an ancient lich
363509 | Zig:26   | Killed an ancient lich
363509 | Zig:26   | Killed an ancient lich
363510 | Zig:26   | Killed an ancient lich
363510 | Zig:26   | Killed an ancient lich
363510 | Zig:26   | Killed an ancient lich
363510 | Zig:26   | Killed an ancient lich
363511 | Zig:26   | Noticed a dread lich
363511 | Zig:26   | Noticed an ancient lich
363511 | Zig:26   | Noticed a dread lich
363512 | Zig:26   | Noticed a dread lich
363512 | Zig:26   | Noticed a dread lich
363512 | Zig:26   | Noticed a dread lich
363512 | Zig:26   | Noticed an ancient lich
363512 | Zig:26   | Noticed a dread lich
363512 | Zig:26   | Noticed an ancient lich
363513 | Zig:26   | Noticed a dread lich
363513 | Zig:26   | Noticed a dread lich
363513 | Zig:26   | Noticed an ancient lich
363513 | Zig:26   | Noticed an ancient lich
363513 | Zig:26   | Noticed an ancient lich
363514 | Zig:26   | Noticed an ancient lich
363514 | Zig:26   | Noticed a dread lich
363514 | Zig:26   | Noticed an ancient lich
363515 | Zig:26   | Noticed a dread lich
363515 | Zig:26   | Noticed an ancient lich
363515 | Zig:26   | Noticed a dread lich
363515 | Zig:26   | Noticed a dread lich
363516 | Zig:26   | Killed an ancient lich
363516 | Zig:26   | Killed a dread lich
363516 | Zig:26   | Killed a dread lich
363516 | Zig:26   | Killed an ancient lich
363516 | Zig:26   | Killed a dread lich
363516 | Zig:26   | Killed a dread lich
363516 | Zig:26   | Killed a dread lich
363516 | Zig:26   | Killed a dread lich
363516 | Zig:26   | Killed a dread lich
363516 | Zig:26   | Killed an ancient lich
363517 | Zig:26   | Noticed a dread lich
363517 | Zig:26   | Noticed an ancient lich
363518 | Zig:26   | Killed an ancient lich
363518 | Zig:26   | Killed an ancient lich
363518 | Zig:26   | Killed an ancient lich
363518 | Zig:26   | Killed a dread lich
363518 | Zig:26   | Killed an ancient lich
363518 | Zig:26   | Killed a dread lich
363518 | Zig:26   | Killed an ancient lich
363518 | Zig:26   | Killed an ancient lich
363518 | Zig:26   | Killed a dread lich
363518 | Zig:26   | Killed an ancient lich
363518 | Zig:26   | Killed an ancient lich
363518 | Zig:26   | Killed a dread lich
363518 | Zig:26   | Noticed an ancient lich
363518 | Zig:26   | Noticed an ancient lich
363519 | Zig:26   | Noticed an ancient lich
363519 | Zig:26   | Noticed an ancient lich
363520 | Zig:26   | Noticed an ancient lich
363520 | Zig:26   | Noticed an ancient lich
363520 | Zig:26   | Noticed an ancient lich
363521 | Zig:26   | Noticed a dread lich
363522 | Zig:26   | Noticed a dread lich
363522 | Zig:26   | Noticed an ancient lich
363522 | Zig:26   | Noticed an ancient lich
363522 | Zig:26   | Noticed an ancient lich
363523 | Zig:26   | Noticed an ancient lich
363524 | Zig:26   | Killed an ancient lich
363524 | Zig:26   | Killed a dread lich
363524 | Zig:26   | Killed an ancient lich
363524 | Zig:26   | Killed a dread lich
363524 | Zig:26   | Killed an ancient lich
363524 | Zig:26   | Killed an ancient lich
363524 | Zig:26   | Killed an ancient lich
363524 | Zig:26   | Killed an ancient lich
363525 | Zig:26   | Killed an ancient lich
363525 | Zig:26   | Killed an ancient lich
363525 | Zig:26   | Killed an ancient lich
363525 | Zig:26   | Killed a dread lich
363525 | Zig:26   | Killed a dread lich
363525 | Zig:26   | Killed an ancient lich
363525 | Zig:26   | Killed an ancient lich
363525 | Zig:26   | Noticed a dread lich
363526 | Zig:26   | Noticed a dread lich
363526 | Zig:26   | Noticed an ancient lich
363526 | Zig:26   | Noticed an ancient lich
363527 | Zig:26   | Noticed an ancient lich
363528 | Zig:26   | Noticed an ancient lich
363528 | Zig:26   | Noticed an ancient lich
363529 | Zig:26   | Noticed an ancient lich
363530 | Zig:26   | Noticed an ancient lich
363530 | Zig:26   | Killed an ancient lich
363530 | Zig:26   | Killed an ancient lich
363530 | Zig:26   | Killed an ancient lich
363530 | Zig:26   | Killed an ancient lich
363530 | Zig:26   | Killed a dread lich
363530 | Zig:26   | Killed a dread lich
363531 | Zig:26   | Noticed a dread lich
363531 | Zig:26   | Killed an ancient lich
363531 | Zig:26   | Killed an ancient lich
363531 | Zig:26   | Killed an ancient lich
363532 | Zig:26   | Noticed an ancient lich
363532 | Zig:26   | Noticed an ancient lich
363533 | Zig:26   | Noticed an ancient lich
363533 | Zig:26   | Noticed a dread lich
363535 | Zig:26   | Killed an ancient lich
363535 | Zig:26   | Killed an ancient lich
363535 | Zig:26   | Killed an ancient lich
363535 | Zig:26   | Killed a dread lich
363535 | Zig:26   | Noticed an ancient lich
363535 | Zig:26   | Noticed an ancient lich
363536 | Zig:26   | Noticed an ancient lich
363536 | Zig:26   | Killed a dread lich
363536 | Zig:26   | Killed an ancient lich
363536 | Zig:26   | Killed an ancient lich
363536 | Zig:26   | Noticed a dread lich
363536 | Zig:26   | Noticed an ancient lich
363539 | Zig:26   | Noticed a dread lich
363539 | Zig:26   | Noticed a dread lich
363539 | Zig:26   | Noticed an ancient lich
363540 | Zig:26   | Noticed an ancient lich
363540 | Zig:26   | Noticed a dread lich
363541 | Zig:26   | Noticed an ancient lich
363541 | Zig:26   | Killed an ancient lich
363542 | Zig:26   | Killed an ancient lich
363542 | Zig:26   | Killed an ancient lich
363542 | Zig:26   | Killed an ancient lich
363542 | Zig:26   | Killed a dread lich
363543 | Zig:26   | Killed a dread lich
363543 | Zig:26   | Killed a dread lich
363543 | Zig:26   | Killed an ancient lich
363543 | Zig:26   | Killed a dread lich
363543 | Zig:26   | Noticed a dread lich
363545 | Zig:26   | Killed an ancient lich
363546 | Zig:26   | Noticed a dread lich
363548 | Zig:26   | Killed a dread lich
363549 | Zig:26   | Killed a dread lich
364527 | Zig:26   | Identified the +1 robe of the Prince of Darkness {*Slow
                  | Str+6 Dex+4}
364541 | Zig:26   | Identified the +10 spear "Miwetisk" {speed, Fly rC- rN+++
                  | Dex-3}
364552 | Zig:26   | Identified the +10 falchion of Disembowelment {heavy, Str+3
                  | Int+4}
364556 | Zig:26   | Identified the amulet of Numanow {Spirit *Slow rElec rN++
                  | Str+3}
364560 | Zig:26   | Identified the +0 storm dragon scales of the Kraken {rElec
                  | rPois Int-3 Dex+2}
364562 | Zig:26   | Identified the amulet of Godinaul {Rampage rC- Regen+ rCorr
                  | Int+3 Dex+2}
364568 | Zig:26   | Identified the staff of air "Ixkoalul" {rElec rF- rC+
                  | Int+6}
364577 | Zig:26   | Identified the +5 war axe "Voedumow" {heavy, rF+}
364582 | Zig:26   | Identified the ring of Idiebb {rPois AC+4 Int+4}
364588 | Zig:26   | Identified the +5 halberd "Eviscerator" {flame, rF+ Will+++
                  | Str-5 Stlth+}
364592 | Zig:26   | Identified the +6 morningstar of Dithmenos's Reproof
                  | {spect, Int+3}
364596 | Zig:26   | Identified the +7 plate armour of the Bulwark {Str+2}
364598 | Zig:26   | Identified the +1 robe of Uwup {rF- Regen+ Str+2}
364599 | Zig:26   | Identified the ring "Uryod" {Will+++ Int+6 Stlth+}
364600 | Zig:26   | Identified the +6 short sword "Vichoall" {venom, rF+ rN+
                  | Int+2}
364603 | Zig:26   | Identified the +9 sling "Bielao" {speed, *Corrode +Blink
                  | Dex+4}
364604 | Zig:26   | Identified the amulet "Tekueth" {Acrobat Fly rElec}
364609 | Zig:26   | Identified the ring of the Clam {rElec rF+ rC- rCorr EV+5}
364619 | Zig:26   | Identified the +1 scimitar of Woe {venom, rCorr Dex+2}
364629 | Zig:26   | Identified the +8 whip of Magnificence {spect, rF- Str+2
                  | Dex+2}
364645 | Zig:26   | Identified the staff of earth "Idyps" {Drain +Blink rF-
                  | Will++}
364793 | Zig:27   | Entered Level 27 of a ziggurat
364795 | Zig:27   | Noticed Polaczum's ghost (adept TrMo)
364795 | Zig:27   | Noticed Amikeex's ghost (adept TrMo)
364795 | Zig:27   | Noticed thechecker02's ghost (master DDFi)
364796 | Zig:27   | Noticed Zoplarin's ghost (legendary BaSk)
364796 | Zig:27   | Noticed Barug's ghost (adept TrMo)
364796 | Zig:27   | Noticed Ubraesch's ghost (adept TrMo)
364796 | Zig:27   | Noticed Diezoyro's ghost (legendary DDNe)
364796 | Zig:27   | Noticed MrChinwatt's ghost (legendary DsWn)
364796 | Zig:27   | Noticed scarywalker64's ghost (legendary GrEE)
364796 | Zig:27   | Noticed Sext's ghost (legendary MiFi)
364797 | Zig:27   | Noticed Jargh's ghost (legendary FoFi)
364797 | Zig:27   | Noticed Janeylunn's ghost (veteran GnWn)
364797 | Zig:27   | Noticed frimble's ghost (adept DsGl)
364797 | Zig:27   | Noticed Pikuto's ghost (adept MiBe)
364798 | Zig:27   | Noticed reasonance's ghost (legendary HOMo)
364798 | Zig:27   | Noticed Ycuhohed's ghost (veteran TeBe)
364799 | Zig:27   | Noticed swap's ghost (legendary DEFE)
364799 | Zig:27   | Noticed corvin's ghost (legendary OgWn)
364799 | Zig:27   | Noticed WiseOSalty's ghost (legendary TrGl)
364799 | Zig:27   | Noticed Xocw's ghost (legendary GrMo)
364800 | Zig:27   | Noticed thechecker02's ghost (master DDFi)
364801 | Zig:27   | Killed Amikeex's ghost
364801 | Zig:27   | Killed Ubraesch's ghost
364801 | Zig:27   | Killed Polaczum's ghost
364801 | Zig:27   | Killed Barug's ghost
364801 | Zig:27   | Killed frimble's ghost
364801 | Zig:27   | Noticed heteroy's ghost (legendary DsHu)
364801 | Zig:27   | Noticed Totuz's ghost (legendary HOFi)
364801 | Zig:27   | Noticed BerryKnight's ghost (legendary DgFi)
364801 | Zig:27   | Noticed BerryKnight's ghost (legendary DgFi)
364802 | Zig:27   | Killed Janeylunn's ghost
364802 | Zig:27   | Killed Jargh's ghost
364802 | Zig:27   | Killed Pikuto's ghost
364802 | Zig:27   | Noticed Ebassic's ghost (veteran GrFi)
364802 | Zig:27   | Noticed Qeilemp's ghost (legendary HOFi)
364802 | Zig:27   | Noticed Talannal's ghost (legendary GnHW)
364802 | Zig:27   | Noticed sleeves's ghost (legendary HuEE)
364803 | Zig:27   | Killed thechecker02's ghost
364803 | Zig:27   | Killed Zoplarin's ghost
364803 | Zig:27   | Killed swap's ghost
364803 | Zig:27   | Killed Sext's ghost
364803 | Zig:27   | Killed reasonance's ghost
364803 | Zig:27   | Killed Ycuhohed's ghost
364804 | Zig:27   | Noticed Xiwu's ghost (legendary MiFi)
364804 | Zig:27   | Noticed Motirgh's ghost (legendary DgHW)
364804 | Zig:27   | Noticed sleeves's ghost (legendary DsFi)
364804 | Zig:27   | Noticed corvin's ghost (legendary OgWn)
364804 | Zig:27   | Noticed Marixus's ghost (legendary DDFi)
364804 | Zig:27   | Noticed Gemnonof's ghost (adept DgCj)
364804 | Zig:27   | Noticed Vuopse's ghost (legendary GnIE)
364804 | Zig:27   | Noticed Haitsiopt's ghost (legendary DsGl)
364805 | Zig:27   | Noticed thechecker02's ghost (master DDFi)
364805 | Zig:27   | Killed scarywalker64's ghost
364805 | Zig:27   | Killed MrChinwatt's ghost
364805 | Zig:27   | Noticed Unuchuin's ghost (legendary GnFi)
364805 | Zig:27   | Noticed Motirgh's ghost (legendary DgHW)
364805 | Zig:27   | Noticed Hillam's ghost (legendary DsTm)
364805 | Zig:27   | Noticed swap's ghost (legendary DEFE)
364806 | Zig:27   | Noticed Zenecom's ghost (legendary MiFi)
364806 | Zig:27   | Noticed swap's ghost (legendary DEFE)
364806 | Zig:27   | Noticed Fueng's ghost (legendary HOFi)
364806 | Zig:27   | Noticed stevelinton's ghost (legendary KoBe)
364807 | Zig:27   | Killed Totuz's ghost
364807 | Zig:27   | Killed thechecker02's ghost
364807 | Zig:27   | Killed corvin's ghost
364807 | Zig:27   | Killed sleeves's ghost
364807 | Zig:27   | Killed Ebassic's ghost
364807 | Zig:27   | Killed Talannal's ghost
364807 | Zig:27   | Killed BerryKnight's ghost
364808 | Zig:27   | Killed BerryKnight's ghost
364808 | Zig:27   | Noticed WiseOSalty's ghost (legendary TrGl)
364808 | Zig:27   | Noticed xzight's ghost (legendary MiBe)
364808 | Zig:27   | Noticed Qeilemp's ghost (legendary HOFi)
364808 | Zig:27   | Noticed corvin's ghost (legendary OgWn)
364809 | Zig:27   | Killed Diezoyro's ghost
364809 | Zig:27   | Killed WiseOSalty's ghost
364809 | Zig:27   | Killed Gemnonof's ghost
364809 | Zig:27   | Noticed Becvyf's ghost (legendary GnFi)
364809 | Zig:27   | Noticed Godueg's ghost (veteran HOFi)
364809 | Zig:27   | Noticed Polaczum's ghost (adept TrMo)
364809 | Zig:27   | Noticed Kufiz's ghost (master GrCK)
364810 | Zig:27   | Killed Motirgh's ghost
364810 | Zig:27   | Killed Xiwu's ghost
364810 | Zig:27   | Killed corvin's ghost
364810 | Zig:27   | Killed corvin's ghost
364810 | Zig:27   | Killed stevelinton's ghost
364810 | Zig:27   | Killed Qeilemp's ghost
364810 | Zig:27   | Killed Xocw's ghost
364811 | Zig:27   | Killed swap's ghost
364811 | Zig:27   | Killed Hillam's ghost
364811 | Zig:27   | Killed Fueng's ghost
364811 | Zig:27   | Killed heteroy's ghost
364811 | Zig:27   | Killed Godueg's ghost
364811 | Zig:27   | Killed sleeves's ghost
364811 | Zig:27   | Killed Motirgh's ghost
364811 | Zig:27   | Noticed Totuz's ghost (legendary HOFi)
364811 | Zig:27   | Noticed sleeves's ghost (legendary HuEE)
364811 | Zig:27   | Noticed deprived's ghost (legendary HOFi)
364811 | Zig:27   | Noticed Fugi's ghost (legendary FoFi)
364811 | Zig:27   | Noticed Saphesar's ghost (veteran DsFi)
364811 | Zig:27   | Noticed strangelove's ghost (master GrEE)
364811 | Zig:27   | Noticed frimble's ghost (legendary GrFi)
364811 | Zig:27   | Noticed Xiwu's ghost (legendary MiFi)
364811 | Zig:27   | Noticed corvin's ghost (legendary OgWn)
364812 | Zig:27   | Noticed Denobboc's ghost (legendary OpMo)
364812 | Zig:27   | Killed Marixus's ghost
364812 | Zig:27   | Killed Polaczum's ghost
364812 | Zig:27   | Killed Becvyf's ghost
364812 | Zig:27   | Killed Vuopse's ghost
364820 | Zig:27   | Killed swap's ghost
364820 | Zig:27   | Killed Qeilemp's ghost
364820 | Zig:27   | Killed thechecker02's ghost
364826 | Zig:27   | Killed Unuchuin's ghost
364828 | Zig:27   | Killed corvin's ghost
364828 | Zig:27   | Killed frimble's ghost
364828 | Zig:27   | Killed Kufiz's ghost
364828 | Zig:27   | Killed xzight's ghost
364828 | Zig:27   | Killed sleeves's ghost
364829 | Zig:27   | Noticed Amikeex's ghost (adept TrMo)
364829 | Zig:27   | Noticed astronautguy's ghost (master DEFE)
364830 | Zig:27   | Killed Fugi's ghost
364830 | Zig:27   | Killed Saphesar's ghost
364830 | Zig:27   | Killed Denobboc's ghost
364830 | Zig:27   | Killed Zenecom's ghost
364831 | Zig:27   | Noticed agentgt's ghost (legendary MiCK)
364831 | Zig:27   | Noticed xzight's ghost (legendary MiBe)
364831 | Zig:27   | Noticed Qatinlae's ghost (veteran DEFE)
364831 | Zig:27   | Noticed frimble's ghost (adept DsGl)
364832 | Zig:27   | Killed deprived's ghost
364832 | Zig:27   | Noticed Pohawk's ghost (adept MiGl)
364833 | Zig:27   | Noticed Fugi's ghost (legendary FoFi)
364833 | Zig:27   | Noticed Evehuixoju's ghost (legendary VSFi)
364833 | Zig:27   | Noticed Xiwu's ghost (legendary MiFi)
364833 | Zig:27   | Noticed Uhosoup's ghost (veteran GrFi)
364833 | Zig:27   | Noticed Gucom's ghost (veteran GnFi)
364833 | Zig:27   | Noticed Godueg's ghost (veteran HOFi)
364833 | Zig:27   | Killed strangelove's ghost
364833 | Zig:27   | Noticed TuffENuff's ghost (legendary FoFi)
364833 | Zig:27   | Noticed Oreexun's ghost (legendary DECj)
364833 | Zig:27   | Noticed sleeves's ghost (legendary DsFi)
364834 | Zig:27   | Noticed blexxed's ghost (legendary DsFi)
364834 | Zig:27   | Killed Amikeex's ghost
364834 | Zig:27   | Killed Haitsiopt's ghost
364834 | Zig:27   | Killed Qatinlae's ghost
364834 | Zig:27   | Killed frimble's ghost
364834 | Zig:27   | Killed Totuz's ghost
364834 | Zig:27   | Killed astronautguy's ghost
364834 | Zig:27   | Noticed Piginabag's ghost (veteran GnMo)
364834 | Zig:27   | Noticed Nenig's ghost (legendary GnFi)
364835 | Zig:27   | Noticed Sext's ghost (legendary MiFi)
364835 | Zig:27   | Noticed Evehuixoju's ghost (legendary VSFi)
364835 | Zig:27   | Noticed Rueful's ghost (legendary TrWr)
364835 | Zig:27   | Noticed GlasyaLabolas's ghost (legendary MiFi)
364836 | Zig:27   | Killed agentgt's ghost
364836 | Zig:27   | Killed xzight's ghost
364836 | Zig:27   | Noticed astronautguy's ghost (legendary FoEE)
364836 | Zig:27   | Noticed Walil's ghost (veteran MiMo)
364836 | Zig:27   | Noticed Xiwu's ghost (legendary MiFi)
364836 | Zig:27   | Noticed tigertrap's ghost (legendary DgHW)
364836 | Zig:27   | Noticed Motirgh's ghost (legendary DgHW)
364837 | Zig:27   | Noticed Pohawk's ghost (adept MiGl)
364837 | Zig:27   | Noticed WiseOSalty's ghost (legendary TrGl)
364837 | Zig:27   | Noticed Evehuixoju's ghost (legendary VSFi)
364837 | Zig:27   | Noticed Kalug's ghost (legendary DrFi)
364837 | Zig:27   | Noticed Walil's ghost (veteran MiMo)
364837 | Zig:27   | Noticed EricTams's ghost (veteran MiBe)
364837 | Zig:27   | Noticed Heartburn's ghost (veteran MiFi)
364837 | Zig:27   | Noticed Heartburn's ghost (veteran MiFi)
364837 | Zig:27   | Noticed Waohesse's ghost (legendary VSFi)
364837 | Zig:27   | Noticed Huju's ghost (legendary HOFi)
364837 | Zig:27   | Noticed Waohesse's ghost (legendary VSFi)
364838 | Zig:27   | Killed Gucom's ghost
364838 | Zig:27   | Killed WiseOSalty's ghost
364838 | Zig:27   | Killed Fugi's ghost
364838 | Zig:27   | Killed blexxed's ghost
364838 | Zig:27   | Killed Uhosoup's ghost
364839 | Zig:27   | Killed Evehuixoju's ghost
364839 | Zig:27   | Killed Pohawk's ghost
364839 | Zig:27   | Killed Xiwu's ghost
364839 | Zig:27   | Killed Oreexun's ghost
364839 | Zig:27   | Killed Godueg's ghost
364839 | Zig:27   | Noticed TuffENuff's ghost (legendary FoFi)
364839 | Zig:27   | Noticed Sext's ghost (legendary MiFi)
364839 | Zig:27   | Noticed EricTams's ghost (veteran MiBe)
364840 | Zig:27   | Noticed strangelove's ghost (master GrEE)
364840 | Zig:27   | Noticed meatyocre's ghost (veteran TrFi)
364841 | Zig:27   | Killed sleeves's ghost
364841 | Zig:27   | Killed GlasyaLabolas's ghost
364841 | Zig:27   | Killed TuffENuff's ghost
364841 | Zig:27   | Killed Piginabag's ghost
364841 | Zig:27   | Killed Walil's ghost
364841 | Zig:27   | Killed Kalug's ghost
364841 | Zig:27   | Killed Walil's ghost
364841 | Zig:27   | Killed Waohesse's ghost
364842 | Zig:27   | Killed Xiwu's ghost
364842 | Zig:27   | Noticed Piginabag's ghost (veteran GnMo)
364842 | Zig:27   | Noticed Sext's ghost (legendary MiFi)
364843 | Zig:27   | Noticed Ubraesch's ghost (adept TrMo)
364843 | Zig:27   | Noticed Likado's ghost (legendary GnSk)
364843 | Zig:27   | Noticed Ubraesch's ghost (adept TrMo)
364843 | Zig:27   | Noticed Zenecom's ghost (legendary MiFi)
364843 | Zig:27   | Noticed Manman's ghost (legendary HOGl)
364843 | Zig:27   | Noticed Wammos's ghost (legendary TeCj)
364843 | Zig:27   | Noticed Barug's ghost (adept TrMo)
364843 | Zig:27   | Noticed Becvyf's ghost (legendary GnFi)
364843 | Zig:27   | Noticed deprived's ghost (legendary HOFi)
364843 | Zig:27   | Noticed Rueful's ghost (legendary TrWr)
364844 | Zig:27   | Noticed lukano's ghost (legendary GrFi)
364845 | Zig:27   | Killed Rueful's ghost
364845 | Zig:27   | Killed Evehuixoju's ghost
364845 | Zig:27   | Killed Nenig's ghost
364845 | Zig:27   | Killed tigertrap's ghost
364845 | Zig:27   | Killed Xiwu's ghost
364845 | Zig:27   | Killed Evehuixoju's ghost
364845 | Zig:27   | Killed Pohawk's ghost
364845 | Zig:27   | Killed Huju's ghost
364845 | Zig:27   | Noticed xzight's ghost (legendary MiBe)
364845 | Zig:27   | Noticed Xocw's ghost (legendary GrMo)
364845 | Zig:27   | Noticed scarywalker64's ghost (veteran BaSu)
364845 | Zig:27   | Noticed Viocziel's ghost (adept TrMo)
364846 | Zig:27   | Noticed Diezoyro's ghost (legendary DDNe)
364846 | Zig:27   | Noticed Xaowkis's ghost (legendary GnWr)
364846 | Zig:27   | Noticed Gemnonof's ghost (adept DgCj)
364846 | Zig:27   | Noticed MrChinwatt's ghost (legendary DsWn)
364846 | Zig:27   | Noticed Kucykkydd's ghost (legendary MiFi)
364846 | Zig:27   | Noticed stevelinton's ghost (legendary KoBe)
364846 | Zig:27   | Noticed lmSkywalker's ghost (adept DrTm)
364846 | Zig:27   | Killed EricTams's ghost
364846 | Zig:27   | Killed Motirgh's ghost
364846 | Zig:27   | Killed WiseOSalty's ghost
364846 | Zig:27   | Killed Waohesse's ghost
364846 | Zig:27   | Killed Heartburn's ghost
364846 | Zig:27   | Killed Piginabag's ghost
364846 | Zig:27   | Noticed Heartburn's ghost (veteran MiFi)
364846 | Zig:27   | Noticed heteroy's ghost (legendary DsHu)
364846 | Zig:27   | Noticed tigertrap's ghost (legendary DgHW)
364846 | Zig:27   | Noticed Qatinlae's ghost (veteran DEFE)
364846 | Zig:27   | Noticed grandjackal's ghost (legendary DsGl)
364846 | Zig:27   | Noticed TuffENuff's ghost (legendary FoFi)
364847 | Zig:27   | Noticed Zonian's ghost (legendary HOFi)
364847 | Zig:27   | Noticed Ekeiwkem's ghost (legendary DsFi)
364847 | Zig:27   | Killed lukano's ghost
364847 | Zig:27   | Killed Sext's ghost
364847 | Zig:27   | Killed meatyocre's ghost
364847 | Zig:27   | Killed Qatinlae's ghost
364847 | Zig:27   | Killed Ubraesch's ghost
364847 | Zig:27   | Killed Becvyf's ghost
364847 | Zig:27   | Killed Xaowkis's ghost
364847 | Zig:27   | Killed Ubraesch's ghost
364847 | Zig:27   | Killed Barug's ghost
364847 | Zig:27   | Killed Zenecom's ghost
364847 | Zig:27   | Killed scarywalker64's ghost
364847 | Zig:27   | Killed Viocziel's ghost
364847 | Zig:27   | Killed Wammos's ghost
364847 | Zig:27   | Noticed Nenig's ghost (legendary GnFi)
364847 | Zig:27   | Noticed Ikusitist's ghost (legendary NaFE)
364847 | Zig:27   | Noticed Ecsetopt's ghost (legendary BaWn)
364847 | Zig:27   | Noticed reasonance's ghost (legendary HOMo)
364848 | Zig:27   | Noticed astronautguy's ghost (master DEFE)
364848 | Zig:27   | Killed lmSkywalker's ghost
364848 | Zig:27   | Killed Heartburn's ghost
364848 | Zig:27   | Killed Sext's ghost
364848 | Zig:27   | Killed stevelinton's ghost
364848 | Zig:27   | Killed deprived's ghost
364849 | Zig:27   | Noticed runemage's ghost (legendary GnFi)
364849 | Zig:27   | Noticed Xiwu's ghost (legendary MiFi)
364849 | Zig:27   | Noticed Fenir's ghost (legendary GnAE)
364849 | Zig:27   | Killed strangelove's ghost
364851 | Zig:27   | Killed heteroy's ghost
364851 | Zig:27   | Killed Manman's ghost
364851 | Zig:27   | Killed grandjackal's ghost
364851 | Zig:27   | Killed Xocw's ghost
364851 | Zig:27   | Killed Xiwu's ghost
364852 | Zig:27   | Killed Zonian's ghost
364853 | Zig:27   | Noticed Marixus's ghost (legendary DDFi)
364853 | Zig:27   | Noticed Piginabag's ghost (legendary DsSk)
364853 | Zig:27   | Noticed Polaczum's ghost (adept TrMo)
364853 | Zig:27   | Killed Ekeiwkem's ghost
364853 | Zig:27   | Killed TuffENuff's ghost
364853 | Zig:27   | Killed Heartburn's ghost
364853 | Zig:27   | Noticed Barug's ghost (adept TrMo)
364854 | Zig:27   | Killed TuffENuff's ghost
364854 | Zig:27   | Killed Rueful's ghost
364854 | Zig:27   | Killed xzight's ghost
364855 | Zig:27   | Noticed lmSkywalker's ghost (adept DrTm)
364855 | Zig:27   | Noticed Pikuto's ghost (adept MiBe)
364855 | Zig:27   | Noticed Kufiz's ghost (master GrCK)
364856 | Zig:27   | Noticed Qupubruts's ghost (master HOFi)
364856 | Zig:27   | Killed Ecsetopt's ghost
364856 | Zig:27   | Killed reasonance's ghost
364856 | Zig:27   | Killed EricTams's ghost
364856 | Zig:27   | Killed Barug's ghost
364856 | Zig:27   | Killed Fenir's ghost
364856 | Zig:27   | Killed Diezoyro's ghost
364856 | Zig:27   | Killed astronautguy's ghost
364856 | Zig:27   | Noticed Haitsiopt's ghost (legendary DsGl)
364856 | Zig:27   | Noticed Teaz Xo Upt's ghost (legendary GnFE)
364857 | Zig:27   | Killed Nenig's ghost
364857 | Zig:27   | Killed Pikuto's ghost
364857 | Zig:27   | Killed astronautguy's ghost
364857 | Zig:27   | Killed runemage's ghost
364857 | Zig:27   | Killed tigertrap's ghost
364857 | Zig:27   | Noticed Ucrups's ghost (legendary MiFi)
364858 | Zig:27   | Noticed Qeilemp's ghost (legendary HOFi)
364858 | Zig:27   | Killed Kufiz's ghost
364859 | Zig:27   | Noticed Pikuto's ghost (adept MiBe)
364860 | Zig:27   | Killed Ikusitist's ghost
364860 | Zig:27   | Killed Qupubruts's ghost
364860 | Zig:27   | Killed Teaz Xo Upt's ghost
364860 | Zig:27   | Noticed Teaz Xo Upt's ghost (legendary GnFE)
364860 | Zig:27   | Noticed MrChinwatt's ghost (legendary DsWn)
364861 | Zig:27   | Noticed Hillam's ghost (legendary DsTm)
364862 | Zig:27   | Noticed Veodywke's ghost (legendary MiBe)
364862 | Zig:27   | Noticed astronautguy's ghost (master DEFE)
364862 | Zig:27   | Noticed xzight's ghost (legendary MiBe)
364863 | Zig:27   | Killed Likado's ghost
364863 | Zig:27   | Noticed Zachydoop's ghost (veteran MiMo)
364863 | Zig:27   | Noticed Wammos's ghost (legendary TeCj)
364863 | Zig:27   | Noticed Rirumasy's ghost (legendary OpWn)
364863 | Zig:27   | Noticed reasonance's ghost (legendary HOMo)
364864 | Zig:27   | Noticed Viugiw's ghost (legendary TeBe)
364864 | Zig:27   | Killed Ucrups's ghost
364864 | Zig:27   | Killed Teaz Xo Upt's ghost
364864 | Zig:27   | Killed Sext's ghost
364865 | Zig:27   | Killed Qeilemp's ghost
364865 | Zig:27   | Killed Hillam's ghost
364865 | Zig:27   | Killed astronautguy's ghost
364865 | Zig:27   | Killed Haitsiopt's ghost
364865 | Zig:27   | Killed lmSkywalker's ghost
364865 | Zig:27   | Noticed Xorhowon's ghost (legendary MiBe)
364865 | Zig:27   | Noticed Unuchuin's ghost (legendary GnFi)
364865 | Zig:27   | Noticed Rirumasy's ghost (legendary OpWn)
364866 | Zig:27   | Noticed melllvar's ghost (legendary MiBe)
364866 | Zig:27   | Noticed deprived's ghost (legendary HOFi)
364866 | Zig:27   | Noticed Xuqyot's ghost (legendary DsFi)
364866 | Zig:27   | Noticed Ebassic's ghost (veteran GrFi)
364866 | Zig:27   | Noticed Likado's ghost (legendary GnSk)
364866 | Zig:27   | Noticed Sext's ghost (legendary MiFi)
364866 | Zig:27   | Noticed Fueng's ghost (legendary HOFi)
364866 | Zig:27   | Noticed grandjackal's ghost (legendary DsGl)
364866 | Zig:27   | Noticed Xiwu's ghost (legendary MiFi)
364866 | Zig:27   | Noticed thechecker02's ghost (master DDFi)
364866 | Zig:27   | Noticed Nenig's ghost (legendary GnFi)
364867 | Zig:27   | Noticed Hewasun's ghost (legendary MiBe)
364867 | Zig:27   | Killed Rirumasy's ghost
364867 | Zig:27   | Killed xzight's ghost
364867 | Zig:27   | Killed Wammos's ghost
364867 | Zig:27   | Killed Viugiw's ghost
364867 | Zig:27   | Killed Pikuto's ghost
364867 | Zig:27   | Killed Veodywke's ghost
364868 | Zig:27   | Killed MrChinwatt's ghost
364868 | Zig:27   | Noticed deprived's ghost (legendary HOFi)
364868 | Zig:27   | Noticed melllvar's ghost (legendary MiBe)
364869 | Zig:27   | Killed Xorhowon's ghost
364869 | Zig:27   | Killed reasonance's ghost
364869 | Zig:27   | Killed Rirumasy's ghost
364869 | Zig:27   | Noticed grandjackal's ghost (legendary DsGl)
364869 | Zig:27   | Noticed Rueful's ghost (legendary TrWr)
364869 | Zig:27   | Noticed Zoplarin's ghost (legendary BaSk)
364869 | Zig:27   | Noticed yaoilover's ghost (veteran MiBe)
364869 | Zig:27   | Noticed astronautguy's ghost (legendary FoEE)
364870 | Zig:27   | Killed Unuchuin's ghost
364871 | Zig:27   | Killed Ebassic's ghost
364871 | Zig:27   | Killed deprived's ghost
364871 | Zig:27   | Killed Nenig's ghost
364871 | Zig:27   | Killed Xiwu's ghost
364871 | Zig:27   | Killed grandjackal's ghost
364871 | Zig:27   | Noticed Gucom's ghost (veteran GnFi)
364871 | Zig:27   | Noticed Likado's ghost (legendary GnSk)
364871 | Zig:27   | Noticed Zenecom's ghost (legendary MiFi)
364871 | Zig:27   | Noticed Hacvoq's ghost (legendary HOFi)
364872 | Zig:27   | Noticed grandjackal's ghost (legendary DsGl)
364872 | Zig:27   | Killed yaoilover's ghost
364872 | Zig:27   | Noticed Gemnonof's ghost (adept DgCj)
364872 | Zig:27   | Noticed Shayle's ghost (legendary GnHW)
364872 | Zig:27   | Noticed deprived's ghost (legendary HOFi)
364873 | Zig:27   | Killed Xuqyot's ghost
364873 | Zig:27   | Killed Gucom's ghost
364873 | Zig:27   | Killed Likado's ghost
364873 | Zig:27   | Killed Hewasun's ghost
364873 | Zig:27   | Killed grandjackal's ghost
364873 | Zig:27   | Killed Zachydoop's ghost
364874 | Zig:27   | Killed deprived's ghost
364874 | Zig:27   | Noticed Xutext's ghost (adept DsAK)
364876 | Zig:27   | Killed Rueful's ghost
364876 | Zig:27   | Killed Likado's ghost
364876 | Zig:27   | Killed Zenecom's ghost
364877 | Zig:27   | Noticed Fueng's ghost (legendary HOFi)
364877 | Zig:27   | Noticed Pusocauss's ghost (legendary VSBe)
364877 | Zig:27   | Noticed Hillam's ghost (legendary DsTm)
364878 | Zig:27   | Noticed Fusentrap's ghost (legendary MiBe)
364878 | Zig:27   | Killed deprived's ghost
364878 | Zig:27   | Killed Hacvoq's ghost
364878 | Zig:27   | Killed melllvar's ghost
364878 | Zig:27   | Killed Zoplarin's ghost
364878 | Zig:27   | Killed astronautguy's ghost
364878 | Zig:27   | Killed grandjackal's ghost
364878 | Zig:27   | Killed Gemnonof's ghost
364878 | Zig:27   | Noticed Jargh's ghost (legendary FoFi)
364878 | Zig:27   | Noticed swap's ghost (legendary DEFE)
364878 | Zig:27   | Noticed Zeph's ghost (adept NaFi)
364878 | Zig:27   | Noticed sleeves's ghost (legendary HuEE)
364879 | Zig:27   | Killed Sext's ghost
364879 | Zig:27   | Killed Fueng's ghost
364879 | Zig:27   | Killed thechecker02's ghost
364879 | Zig:27   | Killed Shayle's ghost
364879 | Zig:27   | Killed Xutext's ghost
364880 | Zig:27   | Noticed SevenDeadlySins's ghost (legendary DrCj)
364880 | Zig:27   | Noticed Qupubruts's ghost (master HOFi)
364880 | Zig:27   | Noticed Kufiz's ghost (master GrCK)
364880 | Zig:27   | Noticed Haitsiopt's ghost (legendary DsGl)
364880 | Zig:27   | Noticed Uhosoup's ghost (veteran GrFi)
364880 | Zig:27   | Noticed Qupubruts's ghost (master HOFi)
364880 | Zig:27   | Killed melllvar's ghost
364880 | Zig:27   | Noticed BoringLoser's ghost (veteran TeAE)
364881 | Zig:27   | Noticed Likado's ghost (legendary GnSk)
364881 | Zig:27   | Noticed Pohawk's ghost (adept MiGl)
364881 | Zig:27   | Killed Fueng's ghost
364881 | Zig:27   | Killed Hillam's ghost
364881 | Zig:27   | Killed Pusocauss's ghost
364882 | Zig:27   | Noticed corvin's ghost (legendary OgWn)
364882 | Zig:27   | Killed Zeph's ghost
364882 | Zig:27   | Killed Fusentrap's ghost
364883 | Zig:27   | Noticed Boduf's ghost (legendary FoHu)
364883 | Zig:27   | Noticed Kufiz's ghost (master GrCK)
364883 | Zig:27   | Noticed Rirumasy's ghost (legendary OpWn)
364884 | Zig:27   | Noticed Xorhowon's ghost (legendary MiBe)
364884 | Zig:27   | Noticed Walil's ghost (veteran MiMo)
364884 | Zig:27   | Noticed Vuopse's ghost (legendary GnIE)
364884 | Zig:27   | Noticed frimble's ghost (adept DsGl)
364884 | Zig:27   | Noticed SevenDeadlySins's ghost (legendary DrCj)
364885 | Zig:27   | Killed Jargh's ghost
364885 | Zig:27   | Killed sleeves's ghost
364885 | Zig:27   | Noticed Polaczum's ghost (adept TrMo)
364885 | Zig:27   | Noticed Fueng's ghost (legendary HOFi)
364885 | Zig:27   | Noticed Boduf's ghost (legendary FoHu)
364885 | Zig:27   | Noticed Ucrups's ghost (legendary MiFi)
364886 | Zig:27   | Killed Qupubruts's ghost
364886 | Zig:27   | Killed swap's ghost
364887 | Zig:27   | Killed Qupubruts's ghost
364887 | Zig:27   | Noticed Huju's ghost (legendary HOFi)
364887 | Zig:27   | Noticed Piginabag's ghost (veteran GnMo)
364887 | Zig:27   | Noticed Godueg's ghost (veteran HOFi)
364888 | Zig:27   | Killed Rirumasy's ghost
364888 | Zig:27   | Killed SevenDeadlySins's ghost
364888 | Zig:27   | Killed Kufiz's ghost
364888 | Zig:27   | Killed Pohawk's ghost
364888 | Zig:27   | Killed Polaczum's ghost
364888 | Zig:27   | Killed Uhosoup's ghost
364888 | Zig:27   | Killed frimble's ghost
364888 | Zig:27   | Killed BoringLoser's ghost
364893 | Zig:27   | Killed Haitsiopt's ghost
364893 | Zig:27   | Killed Walil's ghost
364896 | Zig:27   | Killed Kufiz's ghost
364896 | Zig:27   | Killed corvin's ghost
364896 | Zig:27   | Killed Xorhowon's ghost
364897 | Zig:27   | Killed SevenDeadlySins's ghost
364897 | Zig:27   | Noticed stevelinton's ghost (legendary KoBe)
364898 | Zig:27   | Noticed Gemnonof's ghost (adept DgCj)
364898 | Zig:27   | Noticed lmSkywalker's ghost (adept DrTm)
364898 | Zig:27   | Noticed Heartburn's ghost (veteran MiFi)
364898 | Zig:27   | Noticed thechecker02's ghost (master DDFi)
364898 | Zig:27   | Noticed astronautguy's ghost (legendary FoEE)
364898 | Zig:27   | Noticed lukano's ghost (legendary GrFi)
364898 | Zig:27   | Killed Boduf's ghost
364899 | Zig:27   | Killed Likado's ghost
364899 | Zig:27   | Killed Godueg's ghost
364899 | Zig:27   | Killed Fueng's ghost
364899 | Zig:27   | Noticed thechecker02's ghost (master DDFi)
364899 | Zig:27   | Noticed scarywalker64's ghost (veteran BaSu)
364899 | Zig:27   | Noticed BoringLoser's ghost (veteran TeAE)
364900 | Zig:27   | Killed Piginabag's ghost
364900 | Zig:27   | Noticed astronautguy's ghost (master DEFE)
364901 | Zig:27   | Killed Boduf's ghost
364902 | Zig:27   | Noticed Qatinlae's ghost (veteran DEFE)
364902 | Zig:27   | Noticed thechecker02's ghost (master DDFi)
364902 | Zig:27   | Noticed Pusocauss's ghost (legendary VSBe)
364902 | Zig:27   | Noticed WeeknightWizard's ghost (veteran DEFE)
364903 | Zig:27   | Killed Heartburn's ghost
364903 | Zig:27   | Killed Ucrups's ghost
364903 | Zig:27   | Noticed reasonance's ghost (legendary HOMo)
364903 | Zig:27   | Noticed Zoplarin's ghost (legendary BaSk)
364903 | Zig:27   | Noticed lukano's ghost (legendary GrFi)
364904 | Zig:27   | Noticed MrChinwatt's ghost (legendary DsWn)
364904 | Zig:27   | Killed Vuopse's ghost
364904 | Zig:27   | Killed astronautguy's ghost
364904 | Zig:27   | Killed lukano's ghost
364904 | Zig:27   | Killed Huju's ghost
364904 | Zig:27   | Killed Qatinlae's ghost
364907 | Zig:27   | Killed astronautguy's ghost
364907 | Zig:27   | Killed stevelinton's ghost
364907 | Zig:27   | Killed Pusocauss's ghost
364907 | Zig:27   | Killed WeeknightWizard's ghost
364907 | Zig:27   | Killed lukano's ghost
364907 | Zig:27   | Killed thechecker02's ghost
364908 | Zig:27   | Killed thechecker02's ghost
364908 | Zig:27   | Killed Zoplarin's ghost
364908 | Zig:27   | Killed reasonance's ghost
364908 | Zig:27   | Noticed Xutext's ghost (adept DsAK)
364909 | Zig:27   | Noticed Fugi's ghost (legendary FoFi)
364909 | Zig:27   | Noticed Kalug's ghost (legendary DrFi)
364909 | Zig:27   | Noticed Ycuhohed's ghost (veteran TeBe)
364910 | Zig:27   | Noticed thechecker02's ghost (legendary DDFi)
364910 | Zig:27   | Killed BoringLoser's ghost
364910 | Zig:27   | Killed scarywalker64's ghost
364910 | Zig:27   | Killed MrChinwatt's ghost
364911 | Zig:27   | Noticed Oreexun's ghost (legendary DECj)
364911 | Zig:27   | Noticed swap's ghost (legendary DEFE)
364911 | Zig:27   | Noticed heteroy's ghost (legendary DsHu)
364911 | Zig:27   | Noticed Wammos's ghost (legendary TeCj)
364912 | Zig:27   | Noticed sleeves's ghost (legendary HuSk)
364912 | Zig:27   | Noticed Hacvoq's ghost (legendary HOFi)
364912 | Zig:27   | Noticed lukano's ghost (legendary GrFi)
364912 | Zig:27   | Noticed Amikeex's ghost (adept TrMo)
364912 | Zig:27   | Noticed lukano's ghost (legendary GrFi)
364912 | Zig:27   | Noticed astronautguy's ghost (master DEFE)
364912 | Zig:27   | Noticed Zachydoop's ghost (veteran MiGl)
364912 | Zig:27   | Noticed Zachydoop's ghost (veteran MiMo)
364912 | Zig:27   | Noticed Kufiz's ghost (master GrCK)
364913 | Zig:27   | Killed Xutext's ghost
364914 | Zig:27   | Killed Ycuhohed's ghost
364914 | Zig:27   | Killed Kalug's ghost
364914 | Zig:27   | Killed Fugi's ghost
364914 | Zig:27   | Noticed strangelove's ghost (master GrEE)
364914 | Zig:27   | Noticed Viocziel's ghost (adept TrMo)
364914 | Zig:27   | Noticed Rocah's ghost (veteran GrFi)
364915 | Zig:27   | Killed Wammos's ghost
364915 | Zig:27   | Killed thechecker02's ghost
364915 | Zig:27   | Killed swap's ghost
364915 | Zig:27   | Killed astronautguy's ghost
364915 | Zig:27   | Killed Amikeex's ghost
364915 | Zig:27   | Killed lukano's ghost
364915 | Zig:27   | Killed heteroy's ghost
364915 | Zig:27   | Killed Oreexun's ghost
364915 | Zig:27   | Noticed reasonance's ghost (legendary HOMo)
364915 | Zig:27   | Noticed Fueng's ghost (legendary HOFi)
364916 | Zig:27   | Killed Rocah's ghost
364917 | Zig:27   | Noticed frimble's ghost (adept DsGl)
364917 | Zig:27   | Noticed Ecsetopt's ghost (legendary BaWn)
364918 | Zig:27   | Noticed Oreexun's ghost (legendary DECj)
364918 | Zig:27   | Noticed astronautguy's ghost (master DEFE)
364919 | Zig:27   | Killed Zachydoop's ghost
364920 | Zig:27   | Killed Kufiz's ghost
364920 | Zig:27   | Killed lukano's ghost
364920 | Zig:27   | Killed Zachydoop's ghost
364920 | Zig:27   | Killed Viocziel's ghost
364920 | Zig:27   | Noticed Likado's ghost (legendary GnSk)
364920 | Zig:27   | Noticed Evehuixoju's ghost (legendary VSFi)
364920 | Zig:27   | Noticed runemage's ghost (legendary GnFi)
364921 | Zig:27   | Killed Hacvoq's ghost
364921 | Zig:27   | Noticed scarywalker64's ghost (veteran BaSu)
364923 | Zig:27   | Killed frimble's ghost
364924 | Zig:27   | Killed astronautguy's ghost
364924 | Zig:27   | Killed Evehuixoju's ghost
364924 | Zig:27   | Killed Ecsetopt's ghost
364925 | Zig:27   | Noticed Alysiarr's ghost (legendary KoHu)
364926 | Zig:27   | Killed sleeves's ghost
364926 | Zig:27   | Killed Fueng's ghost
364926 | Zig:27   | Killed reasonance's ghost
364926 | Zig:27   | Noticed Veodywke's ghost (legendary MiBe)
364926 | Zig:27   | Noticed Heartburn's ghost (veteran MiFi)
364926 | Zig:27   | Noticed Unuchuin's ghost (legendary GnFi)
364927 | Zig:27   | Noticed corvin's ghost (legendary OgWn)
364928 | Zig:27   | Noticed Ycuhohed's ghost (veteran TeBe)
364928 | Zig:27   | Killed strangelove's ghost
364928 | Zig:27   | Killed scarywalker64's ghost
364928 | Zig:27   | Killed Likado's ghost
364929 | Zig:27   | Noticed Xiwu's ghost (legendary MiFi)
364930 | Zig:27   | Noticed Gemnonof's ghost (adept DgCj)
364931 | Zig:27   | Killed Oreexun's ghost
364931 | Zig:27   | Killed runemage's ghost
364932 | Zig:27   | Killed Heartburn's ghost
364932 | Zig:27   | Killed Gemnonof's ghost
364932 | Zig:27   | Killed Alysiarr's ghost
364932 | Zig:27   | Killed Ycuhohed's ghost
364932 | Zig:27   | Noticed Fueng's ghost (legendary HOFi)
364933 | Zig:27   | Noticed Fenir's ghost (legendary GnAE)
364933 | Zig:27   | Noticed Hewasun's ghost (legendary MiBe)
364933 | Zig:27   | Noticed Barug's ghost (adept TrMo)
364933 | Zig:27   | Noticed Wammos's ghost (legendary TeCj)
364933 | Zig:27   | Noticed Rocah's ghost (veteran GrFi)
364933 | Zig:27   | Noticed Gucom's ghost (veteran GnFi)
364933 | Zig:27   | Noticed Motirgh's ghost (legendary DgHW)
364933 | Zig:27   | Noticed grandjackal's ghost (legendary DsGl)
364934 | Zig:27   | Killed Unuchuin's ghost
364934 | Zig:27   | Killed corvin's ghost
364935 | Zig:27   | Noticed Qupubruts's ghost (master HOFi)
364935 | Zig:27   | Noticed thechecker02's ghost (legendary DDFi)
364941 | Zig:27   | Killed Xiwu's ghost
364942 | Zig:27   | Killed Fenir's ghost
364942 | Zig:27   | Killed thechecker02's ghost
364943 | Zig:27   | Killed Wammos's ghost
364943 | Zig:27   | Killed Motirgh's ghost
364943 | Zig:27   | Noticed Anafel's ghost (legendary GrFi)
364944 | Zig:27   | Noticed WiseOSalty's ghost (legendary TrGl)
364944 | Zig:27   | Noticed Pikuto's ghost (adept MiBe)
364944 | Zig:27   | Noticed Polaczum's ghost (adept TrMo)
364945 | Zig:27   | Killed Fueng's ghost
364945 | Zig:27   | Killed grandjackal's ghost
364945 | Zig:27   | Killed Veodywke's ghost
364945 | Zig:27   | Killed Rocah's ghost
364946 | Zig:27   | Killed Qupubruts's ghost
364946 | Zig:27   | Noticed Fenir's ghost (legendary GnAE)
364946 | Zig:27   | Noticed runemage's ghost (legendary GnFi)
364947 | Zig:27   | Killed Gucom's ghost
364947 | Zig:27   | Killed Polaczum's ghost
364947 | Zig:27   | Killed Anafel's ghost
364947 | Zig:27   | Killed Barug's ghost
364947 | Zig:27   | Noticed Viocziel's ghost (adept TrMo)
364947 | Zig:27   | Noticed Sext's ghost (legendary MiFi)
364948 | Zig:27   | Killed Hewasun's ghost
364949 | Zig:27   | Noticed Piginabag's ghost (veteran GnMo)
364949 | Zig:27   | Noticed Saphesar's ghost (veteran DsFi)
364950 | Zig:27   | Noticed Fueng's ghost (legendary HOFi)
364950 | Zig:27   | Noticed GlasyaLabolas's ghost (legendary MiFi)
364951 | Zig:27   | Killed Fenir's ghost
364951 | Zig:27   | Killed Pikuto's ghost
364951 | Zig:27   | Killed runemage's ghost
364951 | Zig:27   | Killed WiseOSalty's ghost
364951 | Zig:27   | Noticed Vuopse's ghost (legendary GnIE)
364951 | Zig:27   | Noticed Pusocauss's ghost (legendary VSBe)
364952 | Zig:27   | Killed GlasyaLabolas's ghost
364952 | Zig:27   | Killed Sext's ghost
364952 | Zig:27   | Killed Saphesar's ghost
364952 | Zig:27   | Killed Viocziel's ghost
364952 | Zig:27   | Noticed TuffENuff's ghost (legendary FoFi)
364952 | Zig:27   | Noticed melllvar's ghost (legendary MiBe)
364953 | Zig:27   | Killed Piginabag's ghost
364953 | Zig:27   | Killed Fueng's ghost
364953 | Zig:27   | Noticed Xaowkis's ghost (legendary GnWr)
364954 | Zig:27   | Killed Pusocauss's ghost
364954 | Zig:27   | Noticed BoringLoser's ghost (veteran TeAE)
364954 | Zig:27   | Noticed Motirgh's ghost (legendary DgHW)
364954 | Zig:27   | Noticed Denobboc's ghost (legendary OpMo)
364954 | Zig:27   | Noticed Xaowkis's ghost (legendary GnWr)
364955 | Zig:27   | Noticed Hewasun's ghost (legendary MiBe)
364955 | Zig:27   | Noticed tigertrap's ghost (legendary DgHW)
364955 | Zig:27   | Noticed Totuz's ghost (legendary HOFi)
364955 | Zig:27   | Noticed meatyocre's ghost (veteran TrFi)
364958 | Zig:27   | Noticed Fouwomub's ghost (legendary FoEE)
364959 | Zig:27   | Killed Motirgh's ghost
364959 | Zig:27   | Killed Vuopse's ghost
364959 | Zig:27   | Killed BoringLoser's ghost
364959 | Zig:27   | Killed Xaowkis's ghost
364959 | Zig:27   | Killed TuffENuff's ghost
364960 | Zig:27   | Noticed Ekeiwkem's ghost (legendary DsFi)
364961 | Zig:27   | Noticed runemage's ghost (legendary GnFi)
364961 | Zig:27   | Noticed Xutext's ghost (adept DsAK)
364961 | Zig:27   | Noticed Boduf's ghost (legendary FoHu)
364962 | Zig:27   | Killed Xaowkis's ghost
364962 | Zig:27   | Killed Denobboc's ghost
364962 | Zig:27   | Killed melllvar's ghost
364962 | Zig:27   | Killed meatyocre's ghost
364962 | Zig:27   | Noticed Viocziel's ghost (adept TrMo)
364962 | Zig:27   | Noticed thechecker02's ghost (master DDFi)
364963 | Zig:27   | Killed Totuz's ghost
364963 | Zig:27   | Killed tigertrap's ghost
364963 | Zig:27   | Noticed Gucom's ghost (veteran GnFi)
364963 | Zig:27   | Noticed Likado's ghost (legendary GnSk)
364964 | Zig:27   | Killed Hewasun's ghost
364965 | Zig:27   | Noticed Walil's ghost (veteran MiMo)
364965 | Zig:27   | Noticed EricTams's ghost (veteran MiBe)
364965 | Zig:27   | Noticed Amikeex's ghost (adept TrMo)
364965 | Zig:27   | Noticed Qupubruts's ghost (master HOFi)
364965 | Zig:27   | Killed Xutext's ghost
364965 | Zig:27   | Noticed Godueg's ghost (veteran HOFi)
364965 | Zig:27   | Noticed Kufiz's ghost (master GrCK)
364966 | Zig:27   | Noticed Dameikh's ghost (veteran FoFi)
364966 | Zig:27   | Killed runemage's ghost
364966 | Zig:27   | Killed Fouwomub's ghost
364966 | Zig:27   | Killed thechecker02's ghost
364966 | Zig:27   | Noticed Fenir's ghost (legendary GnAE)
364966 | Zig:27   | Noticed Dameikh's ghost (veteran FoFi)
364967 | Zig:27   | Noticed Xatwola's ghost (legendary DDFi)
364968 | Zig:27   | Killed Boduf's ghost
364968 | Zig:27   | Killed Ekeiwkem's ghost
364968 | Zig:27   | Killed Likado's ghost
364968 | Zig:27   | Killed Gucom's ghost
364968 | Zig:27   | Killed Viocziel's ghost
364968 | Zig:27   | Noticed Gucom's ghost (veteran GnFi)
364969 | Zig:27   | Noticed Walil's ghost (veteran MiMo)
364970 | Zig:27   | Killed Walil's ghost
364970 | Zig:27   | Killed Amikeex's ghost
364971 | Zig:27   | Killed EricTams's ghost
364972 | Zig:27   | Killed Qupubruts's ghost
364972 | Zig:27   | Killed Dameikh's ghost
364972 | Zig:27   | Killed Kufiz's ghost
364972 | Zig:27   | Killed Dameikh's ghost
364972 | Zig:27   | Killed Gucom's ghost
364972 | Zig:27   | Noticed Pusocauss's ghost (legendary VSBe)
364973 | Zig:27   | Killed Walil's ghost
364973 | Zig:27   | Noticed Polaczum's ghost (adept TrMo)
364976 | Zig:27   | Killed Pusocauss's ghost
364976 | Zig:27   | Killed Fenir's ghost
364980 | Zig:27   | Noticed Qupubruts's ghost (master HOFi)
364980 | Zig:27   | Killed Xatwola's ghost
364980 | Zig:27   | Killed Godueg's ghost
364981 | Zig:27   | Killed Polaczum's ghost
364981 | Zig:27   | Noticed Ikusitist's ghost (legendary NaFE)
364982 | Zig:27   | Noticed Viocziel's ghost (adept TrMo)
364983 | Zig:27   | Noticed Zeph's ghost (adept NaFi)
364988 | Zig:27   | Killed Qupubruts's ghost
364989 | Zig:27   | Killed Viocziel's ghost
364990 | Zig:27   | Killed Zeph's ghost
364991 | Zig:27   | Killed Ikusitist's ghost
365641 | Zig:27   | Identified the +10 falchion "Demonslayer" {venom, rPois
                  | Str+3}
365644 | Zig:27   | Identified the +5 morningstar "Totym" {freeze, SInv}
365655 | Zig:27   | Identified the +6 rapier of Destruction {flame, Str+4}
365659 | Zig:27   | Identified the +2 shortbow "Oset" {flame, Will+}
365788 | Zig:1    | Entered Level 1 of a ziggurat
365788 | Zig:1    | Noticed a dread lich
365788 | Zig:1    | Noticed a dread lich
365788 | Zig:1    | Noticed a dread lich
365788 | Zig:1    | Noticed a dread lich
365790 | Zig:1    | Killed a dread lich
365790 | Zig:1    | Killed a dread lich
365790 | Zig:1    | Killed a dread lich
365790 | Zig:1    | Killed a dread lich
365898 | Zig:2    | Entered Level 2 of a ziggurat
365900 | Zig:2    | Noticed Oxikk the pandemonium lord
365905 | Zig:2    | Killed Oxikk the pandemonium lord
366122 | Zig:3    | Entered Level 3 of a ziggurat
366122 | Zig:3    | Noticed a dread lich
366122 | Zig:3    | Noticed a dread lich
366122 | Zig:3    | Noticed a dread lich
366123 | Zig:3    | Killed a dread lich
366123 | Zig:3    | Killed a dread lich
366124 | Zig:3    | Killed a dread lich
366125 | Zig:3    | Noticed a dread lich
366126 | Zig:3    | Noticed a dread lich
366130 | Zig:3    | Killed a dread lich
366131 | Zig:3    | Killed a dread lich
366487 | Zig:4    | Entered Level 4 of a ziggurat
366725 | Zig:4    | Identified the +9 dagger "Kukiynu" {vamp, rN+ rCorr Str-3
                  | Dex+3}
366729 | Zig:5    | Entered Level 5 of a ziggurat
366975 | Zig:5    | Identified the +9 dagger of Experimentation {venom, rPois
                  | rN+++ rCorr Str-5}
367147 | Zig:6    | Entered Level 6 of a ziggurat
367620 | Zig:6    | Identified the +0 pair of gloves "Ahoarchoj" {+Blink Int-4
                  | Dex+3 Slay+5}
367621 | Zig:6    | Identified the +8 shortbow of Subterfuge {elec, rN+ Str+2}
367632 | Zig:7    | Entered Level 7 of a ziggurat
367632 | Zig:7    | Noticed a royal mummy
367632 | Zig:7    | Noticed a royal mummy
367632 | Zig:7    | Noticed a royal mummy
367632 | Zig:7    | Noticed a royal mummy
367632 | Zig:7    | Noticed a royal mummy
367632 | Zig:7    | Noticed a royal mummy
367633 | Zig:7    | Killed a royal mummy
367633 | Zig:7    | Killed a royal mummy
367633 | Zig:7    | Killed a royal mummy
367633 | Zig:7    | Killed a royal mummy
367634 | Zig:7    | Noticed a royal mummy
367635 | Zig:7    | Noticed a royal mummy
367635 | Zig:7    | Noticed a royal mummy
367636 | Zig:7    | Killed a royal mummy
367636 | Zig:7    | Noticed a royal mummy
367637 | Zig:7    | Killed a royal mummy
367637 | Zig:7    | Noticed a royal mummy
367638 | Zig:7    | Noticed a royal mummy
367639 | Zig:7    | Noticed a royal mummy
367639 | Zig:7    | Killed a royal mummy
367640 | Zig:7    | Killed a royal mummy
367640 | Zig:7    | Killed a royal mummy
367641 | Zig:7    | Noticed a royal mummy
367642 | Zig:7    | Killed a royal mummy
367642 | Zig:7    | Killed a royal mummy
367645 | Zig:7    | Killed a royal mummy
367645 | Zig:7    | Killed a royal mummy
367648 | Zig:7    | Killed a royal mummy
367735 | Zig:7    | Identified the +0 scale mail of the Pink Corner {MP+9 Int+3
                  | Dex-2 Stlth+}
367907 | Zig:8    | Entered Level 8 of a ziggurat
367907 | Zig:8    | Noticed an ancient lich
367907 | Zig:8    | Noticed an ancient lich
367907 | Zig:8    | Noticed an ancient lich
367907 | Zig:8    | Noticed an ancient lich
367907 | Zig:8    | Noticed an ancient lich
367908 | Zig:8    | Killed an ancient lich
367908 | Zig:8    | Killed an ancient lich
367909 | Zig:8    | Killed an ancient lich
367909 | Zig:8    | Killed an ancient lich
367909 | Zig:8    | Killed an ancient lich
367909 | Zig:8    | Killed an ancient lich
367909 | Zig:8    | Noticed an ancient lich
367910 | Zig:8    | Noticed an ancient lich
367912 | Zig:8    | Killed an ancient lich
367913 | Zig:8    | Noticed an ancient lich
367914 | Zig:8    | Killed an ancient lich
367914 | Zig:8    | Killed an ancient lich
367915 | Zig:8    | Noticed an ancient lich
367918 | Zig:8    | Noticed an ancient lich
367920 | Zig:8    | Noticed an ancient lich
367920 | Zig:8    | Noticed an ancient lich
367921 | Zig:8    | Killed an ancient lich
367922 | Zig:8    | Killed an ancient lich
367922 | Zig:8    | Killed an ancient lich
367922 | Zig:8    | Killed an ancient lich
367923 | Zig:8    | Noticed an ancient lich
367923 | Zig:8    | Noticed an ancient lich
367930 | Zig:8    | Killed an ancient lich
367931 | Zig:8    | Killed an ancient lich
368302 | Zig:9    | Entered Level 9 of a ziggurat
368901 | Zig:9    | Identified the +10 plate armour of Pufyneam {-Tele rPois
                  | rF+}
368910 | Zig:9    | Identified the +1 ring mail of Context {Rampage Will+
                  | Int+3}
368923 | Zig:9    | Identified the ring "Oxtimub" {rF+ rN+ Str+2 Int+4 Slay-3}
368925 | Zig:9    | Identified the amulet of Xisasosch {Harm rElec Regen+ Str-5
                  | Stlth+}
368929 | Zig:9    | Identified the +3 war axe of the New World {freeze, rC++
                  | Dex+2}
369033 | Zig:10   | Entered Level 10 of a ziggurat
369057 | Zig:10   | Identified the staff of earth "Ximior" {rF+ SInv}
369361 | Zig:10   | Identified the +4 shortbow "Doistif" {antimagic, rF++ Will-
                  | Str+4}
369363 | Zig:10   | Identified the +6 war axe of the Several Allies {heavy,
                  | rPois Dex+2}
369384 | Zig:10   | Identified the staff of cold "Juwkoi" {Contam rPois rC+
                  | rCorr Int+3}
369387 | Zig:10   | Identified the staff of poison "Caokiel" {rPois Dex+3}
369390 | Zig:10   | Identified the staff of death "Zack" {rF- rN+ Dex+7}
369443 | Zig:10   | Identified the +0 robe of Dangud {rF+}
369447 | Zig:10   | Identified the +4 dagger of Felex {heavy, rElec Str+3 Int+3
                  | Dex-2}
369466 | Zig:11   | Entered Level 11 of a ziggurat
369809 | Zig:11   | Identified the +1 robe "Edder" {rF++}
369819 | Zig:11   | Acquired 337 gold pieces
369823 | Zig:11   | Identified the +2 sling of the Tomato {drain, Contam rF++
                  | Dex+3 SInv}
369835 | Zig:11   | Identified the ring of Pauf Wea {AC+4 Dex+4}
369853 | Zig:11   | Identified the amulet "Qano" {Acrobat Harm rPois rN+}
370067 | Zig:12   | Entered Level 12 of a ziggurat
370104 | Zig:12   | Identified the ring of Atheism {rC+ rN+ EV+5 Str+3}
370106 | Zig:12   | Identified the staff of death "Nastrue" {rPois rC+ rN+
                  | rCorr Int-3}
370483 | Zig:12   | Identified the ring of Uconkine {Str+6 Dex+3 Stlth+}
370495 | Zig:12   | Identified the +2 spear of Hahomil {heavy, rPois SInv
                  | Stlth+}
370514 | Zig:12   | Identified the amulet of Ephemeral Luck {RegenMP rPois rF+
                  | Will+ Dex+2}
370525 | Zig:12   | Identified the +1 great sword of Mono {distort, Dex+5}
370578 | Zig:13   | Entered Level 13 of a ziggurat
370581 | Zig:13   | Paralysed by an air elemental for 1 turns
370725 | Zig:13   | Identified the ring of Ifuon {rC+ MP+9 Dex+4 SInv}
370728 | Zig:13   | Identified the +2 battleaxe of the Vaults {vamp, rElec
                  | Str+5 Dex-5}
370742 | Zig:13   | Identified the +0 plate armour of Suetiud {rPois Int+4
                  | Dex-4}
370763 | Zig:13   | Identified the ring of Gulicvo {Ice MP+9 Str+4}
370767 | Zig:13   | Identified the +1 whip "Ziwy" {freeze, rElec}
370772 | Zig:13   | Identified the +0 pair of gloves of Conscience {rN+}
370816 | Zig:13   | Identified the staff of poison "Mithizal" {rPois rF+ Will+
                  | Str+3 SInv}
371172 | Zig:14   | Entered Level 14 of a ziggurat
371712 | Zig:14   | Identified the +7 long sword "Qegra" {spect, rPois}
371716 | Zig:14   | Identified the +2 spear of Xefoqiyr {drain, rPois Int-4
                  | Dex+3}
371729 | Zig:14   | Identified the ring "Mago" {rF+ rC+ Will+ Str+6}
371739 | Zig:14   | Identified the staff of air "Leaddih" {rElec rF+ Str-4
                  | Dex+5}
371743 | Zig:14   | Identified the staff of poison "Yptimaf" {rElec rPois rC+
                  | rCorr Str-5}
371831 | Zig:15   | Entered Level 15 of a ziggurat
372024 | Zig:15   | Identified the +7 shortbow of Orinuec {freeze, rF+ Int+2}
372547 | Zig:15   | Identified the +2 cloak of the Lily {rPois rN+}
372561 | Zig:16   | Entered Level 16 of a ziggurat
372571 | Zig:16   | Paralysed by accursed screaming for 1 turns
373134 | Zig:16   | Identified the +0 plate armour of Vemiel {rC- rN+++ Str-4
                  | Slay+6}
373136 | Zig:16   | Identified the +3 spear of the Endless Hells {speed, Fly
                  | rF+ rC- Dex+3}
373155 | Zig:16   | Identified the staff of air "Tech" {rElec rN+ Str+5 Stlth+}
373164 | Zig:16   | Identified the +10 broad axe of Premature Burial {drain,
                  | Stlth+}
373196 | Zig:16   | Identified the ring of Xom's Entertainment {Drain rN++ AC+4
                  | Dex+4}
373198 | Zig:16   | Identified the ring "Galuel" {Fly rPois}
373206 | Zig:16   | Identified the amulet of the Meadowlark {Spirit Dex+5}
373212 | Zig:16   | Identified the staff of conjuration "Zava" {Int+3}
373217 | Zig:16   | Identified the +0 cloak "Nethoedi" {rCorr Int+3}
373230 | Zig:16   | Identified the ring of Elodu {rN+ Dex+6}
373236 | Zig:16   | Identified the staff of fire "Gosumiod" {rF+ Will+}
373237 | Zig:16   | Identified the +4 mace of Taxation {heavy, rN+ Str+2 Dex-5}
373334 | Zig:17   | Entered Level 17 of a ziggurat
373334 | Zig:17   | Noticed a juggernaut
373334 | Zig:17   | Noticed a juggernaut
373334 | Zig:17   | Noticed a juggernaut
373334 | Zig:17   | Noticed a juggernaut
373334 | Zig:17   | Noticed a juggernaut
373334 | Zig:17   | Noticed a juggernaut
373334 | Zig:17   | Noticed a juggernaut
373334 | Zig:17   | Noticed a juggernaut
373335 | Zig:17   | Killed a juggernaut
373335 | Zig:17   | Killed a juggernaut
373335 | Zig:17   | Killed a juggernaut
373335 | Zig:17   | Killed a juggernaut
373335 | Zig:17   | Killed a juggernaut
373335 | Zig:17   | Killed a juggernaut
373336 | Zig:17   | Noticed a juggernaut
373336 | Zig:17   | Noticed a juggernaut
373338 | Zig:17   | Noticed a juggernaut
373339 | Zig:17   | Noticed a juggernaut
373339 | Zig:17   | Noticed a juggernaut
373339 | Zig:17   | Noticed a juggernaut
373340 | Zig:17   | Noticed a juggernaut
373340 | Zig:17   | Noticed a juggernaut
373341 | Zig:17   | Killed a juggernaut
373341 | Zig:17   | Killed a juggernaut
373341 | Zig:17   | Killed a juggernaut
373341 | Zig:17   | Killed a juggernaut
373341 | Zig:17   | Killed a juggernaut
373342 | Zig:17   | Noticed a juggernaut
373342 | Zig:17   | Killed a juggernaut
373342 | Zig:17   | Killed a juggernaut
373342 | Zig:17   | Killed a juggernaut
373342 | Zig:17   | Noticed a juggernaut
373343 | Zig:17   | Noticed a juggernaut
373343 | Zig:17   | Noticed a juggernaut
373343 | Zig:17   | Killed a juggernaut
373343 | Zig:17   | Killed a juggernaut
373343 | Zig:17   | Noticed a juggernaut
373344 | Zig:17   | Noticed a juggernaut
373345 | Zig:17   | Noticed a juggernaut
373347 | Zig:17   | Killed a juggernaut
373347 | Zig:17   | Killed a juggernaut
373347 | Zig:17   | Killed a juggernaut
373348 | Zig:17   | Noticed a juggernaut
373349 | Zig:17   | Noticed a juggernaut
373349 | Zig:17   | Noticed a juggernaut
373350 | Zig:17   | Noticed a juggernaut
373351 | Zig:17   | Noticed a juggernaut
373351 | Zig:17   | Noticed a juggernaut
373352 | Zig:17   | Killed a juggernaut
373352 | Zig:17   | Killed a juggernaut
373352 | Zig:17   | Killed a juggernaut
373352 | Zig:17   | Killed a juggernaut
373352 | Zig:17   | Killed a juggernaut
373352 | Zig:17   | Killed a juggernaut
373353 | Zig:17   | Killed a juggernaut
373353 | Zig:17   | Killed a juggernaut
373353 | Zig:17   | Killed a juggernaut
373353 | Zig:17   | Killed a juggernaut
373353 | Zig:17   | Noticed a juggernaut
373354 | Zig:17   | Noticed a juggernaut
373358 | Zig:17   | Killed a juggernaut
373359 | Zig:17   | Killed a juggernaut
373363 | Zig:17   | Identified the ring of Japuus {rPois rF+ rC++ Str-4 Stlth+}
373374 | Zig:17   | Identified the +1 war axe of the Apocalypse {vamp, rF+
                  | rCorr Dex+3 Stlth+}
373378 | Zig:17   | Identified the +5 morningstar of Karma {holy, Fly rC+}
373382 | Zig:17   | Identified the staff of fire "Zuoxih" {Drain rF+ Int+5}
373390 | Zig:17   | Identified the ring of Grontol {rPois rCorr Dex+4}
373477 | Zig:17   | Identified the +0 chain mail of Suesa {rPois Slay+3}
373490 | Zig:17   | Identified the +8 bardiche "Saehen Jeed" {spect, rC+ SInv}
373510 | Zig:17   | Identified the +1 sling of Inquiry {speed, rElec rC- Str+6}
373511 | Zig:17   | Identified the +7 quarterstaff of Sorphair {freeze, rF-
                  | Int+3}
373515 | Zig:17   | Identified the ring of Rigeucra {rC+ rN+ Will++ Int-2}
373548 | Zig:17   | Identified the +11 great sword of the Past {flame, Will+
                  | SInv}
373555 | Zig:17   | Identified the +0 cloak of Wuzxe {rPois}
373574 | Zig:17   | Identified the staff of poison "Afaycin" {Fragile rElec
                  | rPois rN++ Dex+4}
373576 | Zig:17   | Identified the +3 arbalest of Precise Incision {heavy, rC+
                  | Str+4}
374120 | Zig:18   | Entered Level 18 of a ziggurat
374794 | Zig:18   | Identified the ring of Hokoij {rF+ AC+4}
374818 | Zig:18   | Identified the staff of conjuration "Jafax" {Int+3}
374857 | Zig:18   | Identified the +11 demon blade of Starshine {flame, Will+
                  | Str+3 Int+8 Dex-4}
374880 | Zig:19   | Entered Level 19 of a ziggurat
375065 | Zig:19   | Identified the ring "Xafisch" {MP+9 Str+6}
375068 | Zig:19   | Identified the ring "Kosuef" {Wiz rC+ rCorr Int+2}
375077 | Zig:19   | Identified the +9 war axe "Kusim" {holy, rF+}
375080 | Zig:19   | Identified the +1 ring mail "Sumymn" {Int+3 Dex+2}
375084 | Zig:19   | Identified the +5 flail "Pimim" {pain, rF+}
375089 | Zig:19   | Identified the staff of earth "Ruicao" {rF+}
375092 | Zig:19   | Identified the ring "Katatre" {Wiz +Blink rC- Str+2 Dex+4}
375120 | Zig:19   | Identified the staff of conjuration "Buom" {rPois rCorr
                  | Dex+3}
375124 | Zig:19   | Identified the +4 hand axe "Ufausk" {heavy, Str+2}
375126 | Zig:19   | Identified the +5 ring mail of Wonder {Regen+ rCorr Int+3
                  | Slay+3}
375133 | Zig:19   | Identified the staff of earth "Huuny" {rElec rF- rC+++
                  | Str-2}
375147 | Zig:19   | Identified the +6 spear "Faogofuad" {heavy, rF+ rC+ Int-5
                  | Dex+4 Stlth+}
375722 | Zig:20   | Entered Level 20 of a ziggurat
376433 | Zig:20   | Identified the +5 spear of Due Proportion {drain, rF+ Int-3
                  | Dex+4}
376448 | Zig:20   | Identified the ring of Ril Magg {rF+ rN+ Str-4 Dex+6}
376449 | Zig:20   | Identified the +1 robe of Emilish {Str+5}
376457 | Zig:20   | Identified the +5 great sword "Efionuum" {flame, rElec
                  | Str+4 Dex-4}
376465 | Zig:20   | Identified the amulet of Wetig {Reflect +Inv Will+ SH+5}
376493 | Zig:21   | Entered Level 21 of a ziggurat
376720 | Zig:21   | Identified the staff of cold "Emago" {rC+ rCorr Str+4
                  | Stlth+}
376728 | Zig:21   | Identified the ring "Plog" {Fly Will+ Str+5}
376732 | Zig:21   | Identified the +2 ring mail of Ignis, Fortifying {Fly}
376741 | Zig:21   | Identified the +3 rapier of Mordant Forgiveness {heavy, Fly
                  | rF- rN+ Int+2}
376763 | Zig:21   | Identified the staff of fire "Ytheypt" {+Blink rF+ rC+
                  | rCorr Dex-4}
376775 | Zig:21   | Acquired 1103 gold pieces
376779 | Zig:21   | Identified the +9 rapier of the Tired Curses {spect, *Rage
                  | Will++}
376787 | Zig:21   | Identified the +0 mace "Dafoschon" {drain, Fly rF+++ rN+
                  | Dex-2}
376788 | Zig:21   | Identified the staff of poison "Carphynu" {rPois Dex+6}
376789 | Zig:21   | Identified the staff of fire "Ykhelef" {rF+ rC++ Will-
                  | Int-4 SInv}
376793 | Zig:21   | Identified the +0 pair of boots of Okawaru's Fury {Harm rC-
                  | Int+4}
376795 | Zig:21   | Identified the +1 cloak of Loigh {rElec rC+}
377640 | Zig:22   | Entered Level 22 of a ziggurat
378623 | Zig:22   | Identified the +6 mace of Impeachment {flame, *Rage rPois
                  | MP+9 Dex+4}
378629 | Zig:22   | Identified the ring "Raamn" {rElec rPois Slay+3}
378633 | Zig:22   | Identified the +9 ring mail of the Yeti {Drain rF+++ Dex-3
                  | SInv}
378645 | Zig:22   | Identified the staff of death "Jiameetz" {rN+ Dex+4}
378667 | Zig:22   | Identified the staff of earth "Xiwan" {rElec rC- Will-
                  | Str+3}
378670 | Zig:22   | Identified the +10 shortbow "Luephiqe" {flame, Stlth+}
378686 | Zig:22   | Identified the ring of Gunok {Wiz Str+3 Stlth+}
378741 | Zig:22   | Identified the staff of cold "Qywkize" {rC+ Str+5 Dex-2}
378742 | Zig:22   | Identified the +10 trident of Hacking and Slashing {flame,
                  | Fly rElec rPois rCorr}
378745 | Zig:22   | Identified the +0 chain mail of Tender Moments {Harm rC++
                  | Regen+ rCorr}
378748 | Zig:22   | Identified the +3 short sword of Terror {protect, rF+
                  | Str+3}
378759 | Zig:22   | Identified the +1 chain mail of Impressiveness {Int+6}
378762 | Zig:22   | Identified the ring of False Pretenses {rPois rF+ Str-4
                  | Dex+5}
378765 | Zig:22   | Identified the +4 robe of the Flute {Harm Int+4}
378766 | Zig:22   | Identified the ring "Kuog" {Will+ Slay+4}
378786 | Zig:22   | Identified the ring "Voxtymi" {Wiz Str+3}
378842 | Zig:23   | Entered Level 23 of a ziggurat
378842 | Zig:23   | Noticed a juggernaut
378842 | Zig:23   | Noticed a juggernaut
378842 | Zig:23   | Noticed a juggernaut
378842 | Zig:23   | Noticed a juggernaut
378842 | Zig:23   | Noticed a juggernaut
378842 | Zig:23   | Noticed a juggernaut
378842 | Zig:23   | Noticed a juggernaut
378842 | Zig:23   | Noticed a juggernaut
378842 | Zig:23   | Noticed a juggernaut
378842 | Zig:23   | Noticed a juggernaut
378842 | Zig:23   | Noticed a juggernaut
378842 | Zig:23   | Noticed a juggernaut
378842 | Zig:23   | Noticed a juggernaut
378842 | Zig:23   | Noticed a juggernaut
378842 | Zig:23   | Noticed a juggernaut
378842 | Zig:23   | Noticed a juggernaut
378842 | Zig:23   | Noticed a juggernaut
378842 | Zig:23   | Noticed a juggernaut
378842 | Zig:23   | Noticed a juggernaut
378843 | Zig:23   | Killed a juggernaut
378843 | Zig:23   | Killed a juggernaut
378843 | Zig:23   | Killed a juggernaut
378843 | Zig:23   | Killed a juggernaut
378843 | Zig:23   | Killed a juggernaut
378843 | Zig:23   | Killed a juggernaut
378843 | Zig:23   | Killed a juggernaut
378843 | Zig:23   | Killed a juggernaut
378843 | Zig:23   | Killed a juggernaut
378843 | Zig:23   | Killed a juggernaut
378843 | Zig:23   | Killed a juggernaut
378843 | Zig:23   | Killed a juggernaut
378843 | Zig:23   | Killed a juggernaut
378843 | Zig:23   | Killed a juggernaut
378843 | Zig:23   | Killed a juggernaut
378843 | Zig:23   | Killed a juggernaut
378843 | Zig:23   | Killed a juggernaut
378843 | Zig:23   | Killed a juggernaut
378844 | Zig:23   | Noticed a juggernaut
378844 | Zig:23   | Noticed a juggernaut
378844 | Zig:23   | Noticed a juggernaut
378844 | Zig:23   | Noticed a juggernaut
378844 | Zig:23   | Noticed a juggernaut
378844 | Zig:23   | Noticed a juggernaut
378845 | Zig:23   | Noticed a juggernaut
378845 | Zig:23   | Noticed a juggernaut
378845 | Zig:23   | Noticed a juggernaut
378845 | Zig:23   | Noticed a juggernaut
378846 | Zig:23   | Noticed a juggernaut
378846 | Zig:23   | Noticed a juggernaut
378846 | Zig:23   | Noticed a juggernaut
378847 | Zig:23   | Noticed a juggernaut
378847 | Zig:23   | Noticed a juggernaut
378848 | Zig:23   | Noticed a juggernaut
378848 | Zig:23   | Noticed a juggernaut
378849 | Zig:23   | Noticed a juggernaut
378849 | Zig:23   | Killed a juggernaut
378849 | Zig:23   | Killed a juggernaut
378849 | Zig:23   | Killed a juggernaut
378849 | Zig:23   | Killed a juggernaut
378849 | Zig:23   | Killed a juggernaut
378850 | Zig:23   | Killed a juggernaut
378850 | Zig:23   | Killed a juggernaut
378850 | Zig:23   | Killed a juggernaut
378850 | Zig:23   | Killed a juggernaut
378850 | Zig:23   | Killed a juggernaut
378850 | Zig:23   | Killed a juggernaut
378850 | Zig:23   | Killed a juggernaut
378850 | Zig:23   | Killed a juggernaut
378850 | Zig:23   | Killed a juggernaut
378850 | Zig:23   | Noticed a juggernaut
378851 | Zig:23   | Noticed a juggernaut
378851 | Zig:23   | Noticed a juggernaut
378851 | Zig:23   | Noticed a juggernaut
378851 | Zig:23   | Noticed a juggernaut
378851 | Zig:23   | Noticed a juggernaut
378852 | Zig:23   | Noticed a juggernaut
378852 | Zig:23   | Noticed a juggernaut
378852 | Zig:23   | Noticed a juggernaut
378852 | Zig:23   | Noticed a juggernaut
378852 | Zig:23   | Killed a juggernaut
378852 | Zig:23   | Killed a juggernaut
378853 | Zig:23   | Noticed a juggernaut
378853 | Zig:23   | Noticed a juggernaut
378853 | Zig:23   | Noticed a juggernaut
378853 | Zig:23   | Noticed a juggernaut
378853 | Zig:23   | Killed a juggernaut
378854 | Zig:23   | Noticed a juggernaut
378854 | Zig:23   | Killed a juggernaut
378854 | Zig:23   | Noticed a juggernaut
378856 | Zig:23   | Killed a juggernaut
378857 | Zig:23   | Noticed a juggernaut
378857 | Zig:23   | Noticed a juggernaut
378857 | Zig:23   | Noticed a juggernaut
378857 | Zig:23   | Noticed a juggernaut
378857 | Zig:23   | Killed a juggernaut
378858 | Zig:23   | Noticed a juggernaut
378858 | Zig:23   | Noticed a juggernaut
378858 | Zig:23   | Killed a juggernaut
378858 | Zig:23   | Killed a juggernaut
378858 | Zig:23   | Killed a juggernaut
378858 | Zig:23   | Killed a juggernaut
378858 | Zig:23   | Killed a juggernaut
378858 | Zig:23   | Killed a juggernaut
378858 | Zig:23   | Killed a juggernaut
378858 | Zig:23   | Killed a juggernaut
378858 | Zig:23   | Killed a juggernaut
378858 | Zig:23   | Killed a juggernaut
378858 | Zig:23   | Killed a juggernaut
378858 | Zig:23   | Killed a juggernaut
378858 | Zig:23   | Killed a juggernaut
378858 | Zig:23   | Killed a juggernaut
378858 | Zig:23   | Killed a juggernaut
378858 | Zig:23   | Killed a juggernaut
378858 | Zig:23   | Killed a juggernaut
378859 | Zig:23   | Killed a juggernaut
378859 | Zig:23   | Killed a juggernaut
378859 | Zig:23   | Killed a juggernaut
378859 | Zig:23   | Noticed a juggernaut
378859 | Zig:23   | Noticed a juggernaut
378859 | Zig:23   | Noticed a juggernaut
378859 | Zig:23   | Noticed a juggernaut
378861 | Zig:23   | Noticed a juggernaut
378861 | Zig:23   | Noticed a juggernaut
378862 | Zig:23   | Noticed a juggernaut
378862 | Zig:23   | Noticed a juggernaut
378865 | Zig:23   | Noticed a juggernaut
378866 | Zig:23   | Noticed a juggernaut
378866 | Zig:23   | Noticed a juggernaut
378866 | Zig:23   | Noticed a juggernaut
378867 | Zig:23   | Noticed a juggernaut
378867 | Zig:23   | Killed a juggernaut
378867 | Zig:23   | Killed a juggernaut
378867 | Zig:23   | Killed a juggernaut
378867 | Zig:23   | Killed a juggernaut
378867 | Zig:23   | Killed a juggernaut
378867 | Zig:23   | Killed a juggernaut
378867 | Zig:23   | Killed a juggernaut
378868 | Zig:23   | Killed a juggernaut
378868 | Zig:23   | Killed a juggernaut
378868 | Zig:23   | Killed a juggernaut
378868 | Zig:23   | Killed a juggernaut
378868 | Zig:23   | Killed a juggernaut
378868 | Zig:23   | Killed a juggernaut
378868 | Zig:23   | Killed a juggernaut
378868 | Zig:23   | Noticed a juggernaut
378868 | Zig:23   | Noticed a juggernaut
378869 | Zig:23   | Noticed a juggernaut
378870 | Zig:23   | Noticed a juggernaut
378871 | Zig:23   | Noticed a juggernaut
378871 | Zig:23   | Noticed a juggernaut
378871 | Zig:23   | Killed a juggernaut
378872 | Zig:23   | Noticed a juggernaut
378873 | Zig:23   | Noticed a juggernaut
378873 | Zig:23   | Noticed a juggernaut
378873 | Zig:23   | Noticed a juggernaut
378874 | Zig:23   | Noticed a juggernaut
378874 | Zig:23   | Noticed a juggernaut
378874 | Zig:23   | Killed a juggernaut
378875 | Zig:23   | Killed a juggernaut
378876 | Zig:23   | Noticed a juggernaut
378877 | Zig:23   | Killed a juggernaut
378877 | Zig:23   | Killed a juggernaut
378877 | Zig:23   | Killed a juggernaut
378877 | Zig:23   | Killed a juggernaut
378877 | Zig:23   | Killed a juggernaut
378877 | Zig:23   | Killed a juggernaut
378877 | Zig:23   | Killed a juggernaut
378877 | Zig:23   | Killed a juggernaut
378877 | Zig:23   | Killed a juggernaut
378877 | Zig:23   | Killed a juggernaut
378886 | Zig:23   | Identified the ring of Xom's Amusement {Fly rPois rF+
                  | rCorr}
379001 | Zig:23   | Identified the +7 scale mail of the Great Game {Str+2
                  | Dex+6}
379010 | Zig:23   | Identified the +4 falchion "Loaree" {flame, rF- Str+2 SInv}
379011 | Zig:23   | Identified the staff of cold "Bodanyaf" {rC+ Dex+3}
379029 | Zig:23   | Identified the staff of death "Veipugin" {rPois rN+ Int+3}
379049 | Zig:23   | Identified the +0 chain mail "Wuqamues" {rN+}
379056 | Zig:23   | Identified the +0 great mace "Ajarph" {chaos, Will+ Int+3}
379062 | Zig:23   | Acquired 678 gold pieces
379093 | Zig:23   | Identified the +7 trident "Yjiuck Uvvo" {freeze, rF+}
379097 | Zig:23   | Identified the ring of Dixtiseu {rC+ Str+5}
379099 | Zig:23   | Identified the +5 quarterstaff of Change {flame, Int+6}
379105 | Zig:23   | Acquired 568 gold pieces
379115 | Zig:23   | Identified the +0 leather armour of the Harvest {Rampage
                  | +Blink rPois Regen+}
379137 | Zig:23   | Identified the ring "Taiwkuam" {Fly Dex+3}
379153 | Zig:23   | Identified the staff of fire "Buafotih" {Fly rPois rF+
                  | Dex+2}
379176 | Zig:23   | Identified the staff of earth "Uvaumako" {*Corrode rF++ rC+
                  | rN+}
379177 | Zig:23   | Identified the staff of earth "Apoifripig" {Fragile rPois
                  | rF- Int+6}
379888 | Zig:23   | Identified the +3 sling of Wiclegiu {elec, Str+3}
379906 | Zig:24   | Entered Level 24 of a ziggurat
379947 | Zig:24   | Identified the ring of the Scarab {*Slow rPois rC+ MP+9
                  | Str+3}
379948 | Zig:24   | Identified the +8 scimitar of Sanephauz {flame, rPois rF+
                  | Stlth+}
379951 | Zig:24   | Identified the ring of Dim Light {rPois rCorr Str+6 Int-3}
380641 | Zig:24   | Identified the staff of conjuration "Royducis" {rElec rC+}
380687 | Zig:24   | Identified the +9 mace of Harmony {freeze, rF- Int+5 Dex+6}
380725 | Zig:24   | Identified the +3 rapier of Vuihi {heavy, MP+9 Str+3}
380735 | Zig:24   | Identified the +1 spear of Amortisation {heavy, rN+ Int+3
                  | Dex-2 Stlth+}
380743 | Zig:24   | Identified the amulet of the King {Spirit Harm rF+ Int+3
                  | SInv}
380753 | Zig:24   | Identified the amulet "Rimaelog" {Acrobat Regen+}
380759 | Zig:24   | Identified the +0 plate armour of Xiores {rF- Str+3 Int+2}
380792 | Zig:24   | Identified the ring "Utibbar" {+Blink Dex-3 SInv Stlth+}
380797 | Zig:24   | Identified the +6 sling "Roiruo" {speed, rN++ Int-4}
380805 | Zig:24   | Identified the +5 war axe of Moral Flaws {freeze, Str+2}
380827 | Zig:24   | Identified the +2 hand axe of Icitue {heavy, rPois Will+}
380852 | Zig:24   | Identified the +7 whip "Filisoq" {venom, rElec Int+3 Dex-2}
380972 | Zig:25   | Entered Level 25 of a ziggurat
380972 | Zig:25   | Noticed Tytwix the pandemonium lord
380972 | Zig:25   | Noticed Otuin the pandemonium lord
380972 | Zig:25   | Noticed Zietaed the pandemonium lord
380972 | Zig:25   | Noticed Gefynut the pandemonium lord
380972 | Zig:25   | Noticed Biladghu the pandemonium lord
380972 | Zig:25   | Noticed Okaifuh the pandemonium lord
380972 | Zig:25   | Noticed Kugu the pandemonium lord
380972 | Zig:25   | Noticed Cah Pey the pandemonium lord
380972 | Zig:25   | Noticed Zoakedghu the pandemonium lord
380972 | Zig:25   | Noticed Jieggoywk the pandemonium lord
380972 | Zig:25   | Noticed Deiqitig the pandemonium lord
380972 | Zig:25   | Noticed Juiqogir the pandemonium lord
380972 | Zig:25   | Noticed Daaneal the pandemonium lord
380972 | Zig:25   | Noticed Nuchiga the pandemonium lord
380972 | Zig:25   | Noticed Leorobel the pandemonium lord
380972 | Zig:25   | Noticed Liavav the pandemonium lord
380972 | Zig:25   | Noticed Qovvuk the pandemonium lord
380972 | Zig:25   | Noticed Hiclyun the pandemonium lord
380972 | Zig:25   | Noticed Bebbeopula the pandemonium lord
380972 | Zig:25   | Noticed Ylutozxa the pandemonium lord
380972 | Zig:25   | Noticed Maogoawk the pandemonium lord
380972 | Zig:25   | Noticed Gothror Are the pandemonium lord
380972 | Zig:25   | Noticed Joarr the pandemonium lord
380972 | Zig:25   | Noticed Gairoc the pandemonium lord
380972 | Zig:25   | Noticed Unajebef the pandemonium lord
380972 | Zig:25   | Noticed Hekhuq the pandemonium lord
380972 | Zig:25   | Noticed Goirgho the pandemonium lord
380972 | Zig:25   | Noticed Hiagy the pandemonium lord
380972 | Zig:25   | Noticed Ushrem the pandemonium lord
380972 | Zig:25   | Noticed Wupsahuo the pandemonium lord
380972 | Zig:25   | Noticed Lugh the pandemonium lord
380972 | Zig:25   | Noticed Ysudeic the pandemonium lord
380972 | Zig:25   | Noticed Raxkekh the pandemonium lord
380972 | Zig:25   | Noticed Lodgh the pandemonium lord
380972 | Zig:25   | Noticed Vonosay the pandemonium lord
380972 | Zig:25   | Noticed Fohitoi the pandemonium lord
380972 | Zig:25   | Noticed Joenit the pandemonium lord
380972 | Zig:25   | Noticed Nynyetix the pandemonium lord
380972 | Zig:25   | Noticed Afan the pandemonium lord
380972 | Zig:25   | Noticed Ufaxyf the pandemonium lord
380972 | Zig:25   | Noticed Zareonu the pandemonium lord
380972 | Zig:25   | Noticed Utucogud the pandemonium lord
380972 | Zig:25   | Noticed Ogontuot the pandemonium lord
380972 | Zig:25   | Noticed Deaserice the pandemonium lord
380972 | Zig:25   | Noticed Nookec the pandemonium lord
380972 | Zig:25   | Noticed Sekkooqi the pandemonium lord
380972 | Zig:25   | Noticed Zatob the pandemonium lord
380972 | Zig:25   | Noticed Ukiem the pandemonium lord
380972 | Zig:25   | Noticed Witzau the pandemonium lord
380972 | Zig:25   | Noticed Jurofa Heaj the pandemonium lord
380972 | Zig:25   | Noticed Coemp the pandemonium lord
380972 | Zig:25   | Noticed Pofurph the pandemonium lord
380972 | Zig:25   | Noticed Ocinehuc the pandemonium lord
380973 | Zig:25   | Killed Zietaed the pandemonium lord
380973 | Zig:25   | Killed Tytwix the pandemonium lord
380973 | Zig:25   | Killed Deiqitig the pandemonium lord
380973 | Zig:25   | Killed Ylutozxa the pandemonium lord
380973 | Zig:25   | Killed Qovvuk the pandemonium lord
380973 | Zig:25   | Killed Ysudeic the pandemonium lord
380973 | Zig:25   | Killed Wupsahuo the pandemonium lord
380973 | Zig:25   | Killed Afan the pandemonium lord
380973 | Zig:25   | Killed Joenit the pandemonium lord
380973 | Zig:25   | Killed Raxkekh the pandemonium lord
380973 | Zig:25   | Killed Nookec the pandemonium lord
380973 | Zig:25   | Killed Utucogud the pandemonium lord
380973 | Zig:25   | Killed Ufaxyf the pandemonium lord
380973 | Zig:25   | Killed Pofurph the pandemonium lord
380974 | Zig:25   | Noticed Ceoqun the pandemonium lord
380975 | Zig:25   | Noticed Amadgh the pandemonium lord
380975 | Zig:25   | Noticed Torarue the pandemonium lord
380975 | Zig:25   | Noticed Honam the pandemonium lord
380975 | Zig:25   | Noticed Hoypnas the pandemonium lord
380976 | Zig:25   | Noticed Gietohe the pandemonium lord
380980 | Zig:25   | Killed Gothror Are the pandemonium lord
380981 | Zig:25   | Killed Ushrem the pandemonium lord
380981 | Zig:25   | Killed Zatob the pandemonium lord
380982 | Zig:25   | Killed Zoakedghu the pandemonium lord
380983 | Zig:25   | Killed Ceoqun the pandemonium lord
380985 | Zig:25   | Noticed Dusaw the pandemonium lord
380985 | Zig:25   | Noticed Ritiditir the pandemonium lord
380985 | Zig:25   | Noticed Loroovu the pandemonium lord
380985 | Zig:25   | Noticed Deiweuh the pandemonium lord
380985 | Zig:25   | Noticed Foestrege the pandemonium lord
380985 | Zig:25   | Noticed Govoosomn the pandemonium lord
380985 | Zig:25   | Noticed Ticaits the pandemonium lord
380985 | Zig:25   | Noticed Itsadopi the pandemonium lord
380985 | Zig:25   | Noticed Mede the pandemonium lord
380985 | Zig:25   | Noticed Jovo the pandemonium lord
380985 | Zig:25   | Noticed Imooma the pandemonium lord
380985 | Zig:25   | Noticed Rosoiran the pandemonium lord
380985 | Zig:25   | Noticed Tofyrph the pandemonium lord
380985 | Zig:25   | Noticed Eligrism the pandemonium lord
380985 | Zig:25   | Noticed Uremel the pandemonium lord
380985 | Zig:25   | Noticed Nuim the pandemonium lord
380985 | Zig:25   | Noticed Ziuciol the pandemonium lord
380985 | Zig:25   | Killed Witzau the pandemonium lord
380985 | Zig:25   | Killed Jieggoywk the pandemonium lord
380985 | Zig:25   | Killed Zareonu the pandemonium lord
380985 | Zig:25   | Killed Fohitoi the pandemonium lord
380985 | Zig:25   | Killed Otuin the pandemonium lord
380986 | Zig:25   | Noticed Wiuphit the pandemonium lord
380986 | Zig:25   | Killed Juiqogir the pandemonium lord
380987 | Zig:25   | Killed Nuchiga the pandemonium lord
380987 | Zig:25   | Killed Gairoc the pandemonium lord
380987 | Zig:25   | Killed Deaserice the pandemonium lord
380987 | Zig:25   | Killed Kugu the pandemonium lord
380987 | Zig:25   | Killed Maogoawk the pandemonium lord
380987 | Zig:25   | Killed Coemp the pandemonium lord
380987 | Zig:25   | Killed Nynyetix the pandemonium lord
380987 | Zig:25   | Killed Vonosay the pandemonium lord
380987 | Zig:25   | Killed Jurofa Heaj the pandemonium lord
380987 | Zig:25   | Killed Sekkooqi the pandemonium lord
380987 | Zig:25   | Killed Ocinehuc the pandemonium lord
380987 | Zig:25   | Killed Bebbeopula the pandemonium lord
380987 | Zig:25   | Killed Unajebef the pandemonium lord
380987 | Zig:25   | Killed Gefynut the pandemonium lord
380987 | Zig:25   | Killed Hiagy the pandemonium lord
380988 | Zig:25   | Noticed Hama the pandemonium lord
380988 | Zig:25   | Killed Hoypnas the pandemonium lord
380988 | Zig:25   | Killed Ukiem the pandemonium lord
380988 | Zig:25   | Killed Ziuciol the pandemonium lord
380988 | Zig:25   | Killed Rosoiran the pandemonium lord
380988 | Zig:25   | Killed Mede the pandemonium lord
380988 | Zig:25   | Killed Honam the pandemonium lord
380988 | Zig:25   | Noticed Fuashroo the pandemonium lord
380989 | Zig:25   | Noticed Ahujed the pandemonium lord
380989 | Zig:25   | Noticed Soatoxu the pandemonium lord
380989 | Zig:25   | Noticed Lowuo the pandemonium lord
380989 | Zig:25   | Killed Joarr the pandemonium lord
380989 | Zig:25   | Killed Ogontuot the pandemonium lord
380989 | Zig:25   | Killed Hiclyun the pandemonium lord
380989 | Zig:25   | Killed Lugh the pandemonium lord
380989 | Zig:25   | Killed Dusaw the pandemonium lord
380989 | Zig:25   | Killed Lodgh the pandemonium lord
380989 | Zig:25   | Killed Loroovu the pandemonium lord
380990 | Zig:25   | Noticed Yntiber the pandemonium lord
380990 | Zig:25   | Killed Hama the pandemonium lord
380990 | Zig:25   | Killed Torarue the pandemonium lord
380990 | Zig:25   | Killed Ahujed the pandemonium lord
380990 | Zig:25   | Killed Cah Pey the pandemonium lord
380990 | Zig:25   | Killed Foestrege the pandemonium lord
380990 | Zig:25   | Killed Goirgho the pandemonium lord
380990 | Zig:25   | Killed Ritiditir the pandemonium lord
380990 | Zig:25   | Killed Uremel the pandemonium lord
380990 | Zig:25   | Noticed Uruodofoku the pandemonium lord
380990 | Zig:25   | Noticed Jiol the pandemonium lord
380990 | Zig:25   | Noticed Xing the pandemonium lord
380990 | Zig:25   | Noticed Koasch the pandemonium lord
380991 | Zig:25   | Killed Imooma the pandemonium lord
380991 | Zig:25   | Killed Amadgh the pandemonium lord
380991 | Zig:25   | Killed Biladghu the pandemonium lord
380991 | Zig:25   | Noticed Paefar the pandemonium lord
380992 | Zig:25   | Killed Okaifuh the pandemonium lord
380992 | Zig:25   | Noticed Quripse the pandemonium lord
380992 | Zig:25   | Noticed Ygiazeih the pandemonium lord
380992 | Zig:25   | Noticed Geponont the pandemonium lord
380992 | Zig:25   | Noticed Plog the pandemonium lord
380993 | Zig:25   | Killed Fuashroo the pandemonium lord
380993 | Zig:25   | Killed Hekhuq the pandemonium lord
380993 | Zig:25   | Killed Gietohe the pandemonium lord
380993 | Zig:25   | Killed Lowuo the pandemonium lord
380993 | Zig:25   | Killed Yntiber the pandemonium lord
380993 | Zig:25   | Killed Leorobel the pandemonium lord
380993 | Zig:25   | Killed Liavav the pandemonium lord
380994 | Zig:25   | Noticed Puhev the pandemonium lord
380994 | Zig:25   | Noticed Wigiy the pandemonium lord
380994 | Zig:25   | Noticed Jieshesm the pandemonium lord
380994 | Zig:25   | Noticed Yrchoxoff the pandemonium lord
380994 | Zig:25   | Noticed Venanuuz the pandemonium lord
380994 | Zig:25   | Killed Tofyrph the pandemonium lord
380994 | Zig:25   | Killed Koasch the pandemonium lord
380994 | Zig:25   | Killed Soatoxu the pandemonium lord
380994 | Zig:25   | Killed Xing the pandemonium lord
380994 | Zig:25   | Killed Itsadopi the pandemonium lord
380994 | Zig:25   | Killed Nuim the pandemonium lord
380994 | Zig:25   | Killed Puhev the pandemonium lord
380994 | Zig:25   | Noticed Hibb the pandemonium lord
380994 | Zig:25   | Noticed Pabue the pandemonium lord
380994 | Zig:25   | Noticed Otoamya the pandemonium lord
380995 | Zig:25   | Killed Eligrism the pandemonium lord
380995 | Zig:25   | Killed Wigiy the pandemonium lord
380995 | Zig:25   | Killed Venanuuz the pandemonium lord
380995 | Zig:25   | Noticed Quthrah the pandemonium lord
380995 | Zig:25   | Noticed Sunteol the pandemonium lord
380996 | Zig:25   | Noticed Yppanylo the pandemonium lord
380996 | Zig:25   | Noticed Keoqih the pandemonium lord
380996 | Zig:25   | Noticed Ewkobazuo the pandemonium lord
380996 | Zig:25   | Noticed Kamaxisa the pandemonium lord
380996 | Zig:25   | Killed Kamaxisa the pandemonium lord
380996 | Zig:25   | Killed Jieshesm the pandemonium lord
380996 | Zig:25   | Killed Paefar the pandemonium lord
380996 | Zig:25   | Killed Jiol the pandemonium lord
380996 | Zig:25   | Killed Uruodofoku the pandemonium lord
380996 | Zig:25   | Killed Ygiazeih the pandemonium lord
380996 | Zig:25   | Killed Jovo the pandemonium lord
380996 | Zig:25   | Noticed Venuw the pandemonium lord
380996 | Zig:25   | Noticed Biang the pandemonium lord
380996 | Zig:25   | Noticed Bios Qif the pandemonium lord
380997 | Zig:25   | Killed Ewkobazuo the pandemonium lord
380997 | Zig:25   | Noticed Utyud the pandemonium lord
380997 | Zig:25   | Noticed Buhio the pandemonium lord
380997 | Zig:25   | Noticed Saniylis the pandemonium lord
380997 | Zig:25   | Noticed Kuawer the pandemonium lord
380998 | Zig:25   | Killed Keoqih the pandemonium lord
380998 | Zig:25   | Killed Yppanylo the pandemonium lord
380998 | Zig:25   | Killed Quripse the pandemonium lord
380998 | Zig:25   | Noticed Uretiji the pandemonium lord
380999 | Zig:25   | Noticed Qedimn the pandemonium lord
380999 | Zig:25   | Noticed Xontagunima the pandemonium lord
380999 | Zig:25   | Killed Geponont the pandemonium lord
380999 | Zig:25   | Killed Plog the pandemonium lord
380999 | Zig:25   | Killed Yrchoxoff the pandemonium lord
380999 | Zig:25   | Killed Daaneal the pandemonium lord
380999 | Zig:25   | Killed Govoosomn the pandemonium lord
380999 | Zig:25   | Noticed Tainal the pandemonium lord
380999 | Zig:25   | Noticed Ahusitz the pandemonium lord
381000 | Zig:25   | Noticed Taill the pandemonium lord
381001 | Zig:25   | Noticed Liex the pandemonium lord
381001 | Zig:25   | Noticed Ommeuc the pandemonium lord
381001 | Zig:25   | Killed Pabue the pandemonium lord
381001 | Zig:25   | Killed Otoamya the pandemonium lord
381001 | Zig:25   | Noticed Beyskub the pandemonium lord
381002 | Zig:25   | Noticed Puicliupt the pandemonium lord
381002 | Zig:25   | Killed Hibb the pandemonium lord
381002 | Zig:25   | Noticed Aruzxah the pandemonium lord
381003 | Zig:25   | Killed Buhio the pandemonium lord
381003 | Zig:25   | Killed Sunteol the pandemonium lord
381003 | Zig:25   | Killed Qedimn the pandemonium lord
381003 | Zig:25   | Killed Taill the pandemonium lord
381003 | Zig:25   | Noticed Wigiloss the pandemonium lord
381004 | Zig:25   | Killed Quthrah the pandemonium lord
381004 | Zig:25   | Noticed Bege the pandemonium lord
381004 | Zig:25   | Noticed Eqyraor the pandemonium lord
381004 | Zig:25   | Noticed Ywoxkog the pandemonium lord
381005 | Zig:25   | Killed Beyskub the pandemonium lord
381005 | Zig:25   | Killed Bios Qif the pandemonium lord
381005 | Zig:25   | Killed Deiweuh the pandemonium lord
381005 | Zig:25   | Killed Wiuphit the pandemonium lord
381005 | Zig:25   | Noticed Roigun the pandemonium lord
381005 | Zig:25   | Noticed Yshegiem the pandemonium lord
381006 | Zig:25   | Noticed Vuzunkyu the pandemonium lord
381006 | Zig:25   | Noticed Ysibisma the pandemonium lord
381006 | Zig:25   | Noticed Kealon the pandemonium lord
381006 | Zig:25   | Noticed Douj the pandemonium lord
381007 | Zig:25   | Noticed Bucsig the pandemonium lord
381007 | Zig:25   | Killed Kuawer the pandemonium lord
381007 | Zig:25   | Killed Utyud the pandemonium lord
381007 | Zig:25   | Killed Biang the pandemonium lord
381007 | Zig:25   | Killed Liex the pandemonium lord
381007 | Zig:25   | Killed Ahusitz the pandemonium lord
381008 | Zig:25   | Killed Puicliupt the pandemonium lord
381008 | Zig:25   | Killed Aruzxah the pandemonium lord
381009 | Zig:25   | Killed Ommeuc the pandemonium lord
381009 | Zig:25   | Killed Tainal the pandemonium lord
381009 | Zig:25   | Killed Kealon the pandemonium lord
381009 | Zig:25   | Killed Xontagunima the pandemonium lord
381009 | Zig:25   | Noticed Elidacul the pandemonium lord
381010 | Zig:25   | Killed Uretiji the pandemonium lord
381010 | Zig:25   | Killed Vuzunkyu the pandemonium lord
381010 | Zig:25   | Killed Bege the pandemonium lord
381010 | Zig:25   | Killed Ysibisma the pandemonium lord
381010 | Zig:25   | Killed Roigun the pandemonium lord
381010 | Zig:25   | Killed Venuw the pandemonium lord
381010 | Zig:25   | Killed Wigiloss the pandemonium lord
381010 | Zig:25   | Killed Eqyraor the pandemonium lord
381010 | Zig:25   | Noticed Wogrepnu the pandemonium lord
381010 | Zig:25   | Noticed Veske the pandemonium lord
381012 | Zig:25   | Noticed Tuth the pandemonium lord
381012 | Zig:25   | Noticed Koeh the pandemonium lord
381013 | Zig:25   | Noticed Gammyfirch the pandemonium lord
381013 | Zig:25   | Noticed Sast the pandemonium lord
381014 | Zig:25   | Noticed Qeajuoh the pandemonium lord
381014 | Zig:25   | Killed Lototykk the pandemonium lord
381017 | Zig:25   | Killed Kupsaebb the pandemonium lord
381017 | Zig:25   | Killed Ecyiha the pandemonium lord
381017 | Zig:25   | Noticed Cinwet the pandemonium lord
381018 | Zig:25   | Noticed Bapsamaac the pandemonium lord
381018 | Zig:25   | Noticed Ceek the pandemonium lord
381018 | Zig:25   | Noticed Birphean the pandemonium lord
381018 | Zig:25   | Noticed Netokomm the pandemonium lord
381019 | Zig:25   | Noticed Plog the pandemonium lord
381019 | Zig:25   | Noticed Kovod the pandemonium lord
381019 | Zig:25   | Noticed Bexetush the pandemonium lord
381019 | Zig:25   | Noticed Kily the pandemonium lord
381019 | Zig:25   | Noticed Harug the pandemonium lord
381019 | Zig:25   | Noticed Hunkusm the pandemonium lord
381019 | Zig:25   | Noticed Xueteid the pandemonium lord
381019 | Zig:25   | Noticed Hofu the pandemonium lord
381019 | Zig:25   | Noticed Iblagoll the pandemonium lord
381019 | Zig:25   | Noticed Sunaiv the pandemonium lord
381020 | Zig:25   | Noticed Ihes the pandemonium lord
381020 | Zig:25   | Noticed Fiovemog the pandemonium lord
381020 | Zig:25   | Noticed Emouw the pandemonium lord
381020 | Zig:25   | Noticed Jegaz the pandemonium lord
381021 | Zig:25   | Noticed Usid the pandemonium lord
381021 | Zig:25   | Killed Yshegiem the pandemonium lord
381021 | Zig:25   | Killed Bucsig the pandemonium lord
381025 | Zig:25   | Killed Netokomm the pandemonium lord
381025 | Zig:25   | Killed Ywoxkog the pandemonium lord
381025 | Zig:25   | Killed Douj the pandemonium lord
381025 | Zig:25   | Killed Hunkusm the pandemonium lord
381027 | Zig:25   | Killed Qeajuoh the pandemonium lord
381027 | Zig:25   | Killed Elidacul the pandemonium lord
381027 | Zig:25   | Killed Fiovemog the pandemonium lord
381027 | Zig:25   | Killed Cinwet the pandemonium lord
381027 | Zig:25   | Killed Ceek the pandemonium lord
381027 | Zig:25   | Killed Gammyfirch the pandemonium lord
381028 | Zig:25   | Noticed Siqivo the pandemonium lord
381029 | Zig:25   | Killed Bapsamaac the pandemonium lord
381029 | Zig:25   | Killed Wogrepnu the pandemonium lord
381029 | Zig:25   | Killed Veske the pandemonium lord
381029 | Zig:25   | Killed Hofu the pandemonium lord
381029 | Zig:25   | Killed Tuth the pandemonium lord
381029 | Zig:25   | Killed Koeh the pandemonium lord
381029 | Zig:25   | Killed Bexetush the pandemonium lord
381029 | Zig:25   | Killed Kily the pandemonium lord
381029 | Zig:25   | Killed Kovod the pandemonium lord
381029 | Zig:25   | Noticed Kaabbas the pandemonium lord
381031 | Zig:25   | Noticed Dollaiv the pandemonium lord
381032 | Zig:25   | Noticed Omogikk the pandemonium lord
381032 | Zig:25   | Noticed Jeqidghid the pandemonium lord
381033 | Zig:25   | Killed Sast the pandemonium lord
381033 | Zig:25   | Killed Xueteid the pandemonium lord
381033 | Zig:25   | Noticed Woschoakh the pandemonium lord
381034 | Zig:25   | Killed Plog the pandemonium lord
381034 | Zig:25   | Killed Jegaz the pandemonium lord
381034 | Zig:25   | Killed Saniylis the pandemonium lord
381035 | Zig:25   | Killed Siqivo the pandemonium lord
381035 | Zig:25   | Killed Jeqidghid the pandemonium lord
381035 | Zig:25   | Noticed Tysateyl the pandemonium lord
381035 | Zig:25   | Noticed Qesaetz the pandemonium lord
381035 | Zig:25   | Noticed Ilitol the pandemonium lord
381036 | Zig:25   | Killed Woschoakh the pandemonium lord
381036 | Zig:25   | Killed Dollaiv the pandemonium lord
381036 | Zig:25   | Killed Omogikk the pandemonium lord
381036 | Zig:25   | Killed Tysateyl the pandemonium lord
381036 | Zig:25   | Noticed Katail the pandemonium lord
381037 | Zig:25   | Killed Kaabbas the pandemonium lord
381037 | Zig:25   | Killed Qesaetz the pandemonium lord
381037 | Zig:25   | Killed Emouw the pandemonium lord
381037 | Zig:25   | Noticed Fogryzuajo the pandemonium lord
381037 | Zig:25   | Noticed Cettiqeps the pandemonium lord
381037 | Zig:25   | Noticed Imatell the pandemonium lord
381038 | Zig:25   | Killed Usid the pandemonium lord
381038 | Zig:25   | Killed Ihes the pandemonium lord
381038 | Zig:25   | Killed Ilitol the pandemonium lord
381038 | Zig:25   | Noticed Wisurij the pandemonium lord
381039 | Zig:25   | Noticed Luikeys the pandemonium lord
381039 | Zig:25   | Killed Birphean the pandemonium lord
381039 | Zig:25   | Noticed Bosic the pandemonium lord
381039 | Zig:25   | Noticed Disefuom the pandemonium lord
381040 | Zig:25   | Noticed Ykuruupn the pandemonium lord
381040 | Zig:25   | Killed Imatell the pandemonium lord
381040 | Zig:25   | Killed Katail the pandemonium lord
381040 | Zig:25   | Noticed Pisulat the pandemonium lord
381040 | Zig:25   | Noticed Zodghupon the pandemonium lord
381040 | Zig:25   | Noticed Udefaca the pandemonium lord
381041 | Zig:25   | Noticed Ecidise the pandemonium lord
381042 | Zig:25   | Noticed Uwaloliw the pandemonium lord
381042 | Zig:25   | Killed Fogryzuajo the pandemonium lord
381042 | Zig:25   | Noticed Catziv the pandemonium lord
381043 | Zig:25   | Noticed Yrun the pandemonium lord
381043 | Zig:25   | Noticed Xarpheqepp the pandemonium lord
381043 | Zig:25   | Noticed Qirhatho the pandemonium lord
381043 | Zig:25   | Noticed Voisouq the pandemonium lord
381043 | Zig:25   | Noticed Ruidinot the pandemonium lord
381044 | Zig:25   | Killed Wisurij the pandemonium lord
381044 | Zig:25   | Killed Cettiqeps the pandemonium lord
381046 | Zig:25   | Noticed Fojisaizo the pandemonium lord
381055 | Zig:25   | Noticed Jalo the pandemonium lord
381056 | Zig:25   | Noticed Ziam the pandemonium lord
381057 | Zig:25   | Killed Bosic the pandemonium lord
381058 | Zig:25   | Noticed Teququig the pandemonium lord
381059 | Zig:25   | Noticed Puobrif the pandemonium lord
381059 | Zig:25   | Killed Qirhatho the pandemonium lord
381059 | Zig:25   | Killed Uwaloliw the pandemonium lord
381059 | Zig:25   | Killed Voisouq the pandemonium lord
381059 | Zig:25   | Killed Ticaits the pandemonium lord
381059 | Zig:25   | Killed Disefuom the pandemonium lord
381059 | Zig:25   | Killed Ykuruupn the pandemonium lord
381059 | Zig:25   | Killed Catziv the pandemonium lord
381059 | Zig:25   | Killed Yrun the pandemonium lord
381059 | Zig:25   | Killed Udefaca the pandemonium lord
381059 | Zig:25   | Noticed Tohetut the pandemonium lord
381059 | Zig:25   | Noticed Agoax the pandemonium lord
381060 | Zig:25   | Noticed Guwno the pandemonium lord
381060 | Zig:25   | Killed Zodghupon the pandemonium lord
381060 | Zig:25   | Killed Pisulat the pandemonium lord
381060 | Zig:25   | Killed Fojisaizo the pandemonium lord
381060 | Zig:25   | Killed Xarpheqepp the pandemonium lord
381060 | Zig:25   | Killed Luikeys the pandemonium lord
381060 | Zig:25   | Noticed Bannuelo the pandemonium lord
381060 | Zig:25   | Noticed Udghoevvo the pandemonium lord
381061 | Zig:25   | Killed Ruidinot the pandemonium lord
381061 | Zig:25   | Noticed Cothriusamm the pandemonium lord
381061 | Zig:25   | Noticed Puaptaj the pandemonium lord
381063 | Zig:25   | Killed Ecidise the pandemonium lord
381063 | Zig:25   | Killed Ziam the pandemonium lord
381063 | Zig:25   | Noticed Uneowez the pandemonium lord
381063 | Zig:25   | Noticed Myus Tai the pandemonium lord
381064 | Zig:25   | Killed Agoax the pandemonium lord
381064 | Zig:25   | Killed Udghoevvo the pandemonium lord
381064 | Zig:25   | Killed Cothriusamm the pandemonium lord
381065 | Zig:25   | Killed Jalo the pandemonium lord
381065 | Zig:25   | Killed Teququig the pandemonium lord
381065 | Zig:25   | Killed Guwno the pandemonium lord
381065 | Zig:25   | Killed Puaptaj the pandemonium lord
381065 | Zig:25   | Killed Tohetut the pandemonium lord
381066 | Zig:25   | Noticed Muedgh the pandemonium lord
381066 | Zig:25   | Noticed Huthaowa the pandemonium lord
381066 | Zig:25   | Noticed Hohumij the pandemonium lord
381066 | Zig:25   | Noticed Rarusosh the pandemonium lord
381066 | Zig:25   | Noticed Zeasch Rievich the pandemonium lord
381067 | Zig:25   | Killed Uneowez the pandemonium lord
381067 | Zig:25   | Killed Myus Tai the pandemonium lord
381067 | Zig:25   | Killed Puobrif the pandemonium lord
381067 | Zig:25   | Noticed Meco the pandemonium lord
381068 | Zig:25   | Killed Bannuelo the pandemonium lord
381068 | Zig:25   | Killed Zeasch Rievich the pandemonium lord
381068 | Zig:25   | Noticed Lyngatz the pandemonium lord
381068 | Zig:25   | Noticed Inixzawa the pandemonium lord
381069 | Zig:25   | Noticed Anidist the pandemonium lord
381069 | Zig:25   | Noticed Umnill the pandemonium lord
381069 | Zig:25   | Noticed Hoshun the pandemonium lord
381069 | Zig:25   | Noticed Vexatoqolo the pandemonium lord
381069 | Zig:25   | Noticed Rudisauf the pandemonium lord
381070 | Zig:25   | Killed Huthaowa the pandemonium lord
381070 | Zig:25   | Killed Harug the pandemonium lord
381070 | Zig:25   | Killed Rarusosh the pandemonium lord
381070 | Zig:25   | Noticed Ronloamp the pandemonium lord
381070 | Zig:25   | Noticed Reuxaesh the pandemonium lord
381070 | Zig:25   | Noticed Hadem the pandemonium lord
381071 | Zig:25   | Killed Hohumij the pandemonium lord
381071 | Zig:25   | Killed Meco the pandemonium lord
381071 | Zig:25   | Killed Muedgh the pandemonium lord
381071 | Zig:25   | Killed Inixzawa the pandemonium lord
381071 | Zig:25   | Killed Anidist the pandemonium lord
381071 | Zig:25   | Killed Lyngatz the pandemonium lord
381071 | Zig:25   | Killed Umnill the pandemonium lord
381071 | Zig:25   | Noticed Neixuz the pandemonium lord
381072 | Zig:25   | Noticed Jamma the pandemonium lord
381072 | Zig:25   | Noticed Vapeg the pandemonium lord
381072 | Zig:25   | Noticed Tudwase the pandemonium lord
381072 | Zig:25   | Noticed Hec Ciss the pandemonium lord
381072 | Zig:25   | Noticed Bunle the pandemonium lord
381072 | Zig:25   | Noticed Etsoiwe the pandemonium lord
381072 | Zig:25   | Noticed Zexkuken the pandemonium lord
381072 | Zig:25   | Noticed Suwn the pandemonium lord
381073 | Zig:25   | Noticed Xeocaw the pandemonium lord
381073 | Zig:25   | Noticed Xeuhug the pandemonium lord
381073 | Zig:25   | Noticed Jassaog the pandemonium lord
381073 | Zig:25   | Killed Ronloamp the pandemonium lord
381073 | Zig:25   | Killed Hoshun the pandemonium lord
381074 | Zig:25   | Killed Jassaog the pandemonium lord
381074 | Zig:25   | Killed Xeocaw the pandemonium lord
381074 | Zig:25   | Killed Vexatoqolo the pandemonium lord
381074 | Zig:25   | Noticed Tukkuuda the pandemonium lord
381074 | Zig:25   | Noticed Xatodatzua the pandemonium lord
381074 | Zig:25   | Noticed Ireleos the pandemonium lord
381075 | Zig:25   | Killed Xeuhug the pandemonium lord
381075 | Zig:25   | Noticed Fener the pandemonium lord
381075 | Zig:25   | Noticed Toiqosor the pandemonium lord
381075 | Zig:25   | Noticed Bicudiemn the pandemonium lord
381076 | Zig:25   | Noticed Baukeli the pandemonium lord
381076 | Zig:25   | Killed Tudwase the pandemonium lord
381078 | Zig:25   | Noticed Queluni the pandemonium lord
381079 | Zig:25   | Noticed Fixebrom the pandemonium lord
381079 | Zig:25   | Noticed Dicuiggu the pandemonium lord
381079 | Zig:25   | Killed Dicuiggu the pandemonium lord
381079 | Zig:25   | Killed Vapeg the pandemonium lord
381079 | Zig:25   | Killed Hadem the pandemonium lord
381079 | Zig:25   | Killed Hec Ciss the pandemonium lord
381080 | Zig:25   | Noticed Pahaloro the pandemonium lord
381081 | Zig:25   | Killed Bicudiemn the pandemonium lord
381081 | Zig:25   | Killed Reuxaesh the pandemonium lord
381081 | Zig:25   | Noticed Peirail the pandemonium lord
381081 | Zig:25   | Noticed Qebbilas the pandemonium lord
381082 | Zig:25   | Killed Fixebrom the pandemonium lord
381082 | Zig:25   | Killed Jamma the pandemonium lord
381082 | Zig:25   | Killed Tukkuuda the pandemonium lord
381082 | Zig:25   | Killed Zexkuken the pandemonium lord
381082 | Zig:25   | Killed Neixuz the pandemonium lord
381082 | Zig:25   | Killed Rudisauf the pandemonium lord
381084 | Zig:25   | Killed Bunle the pandemonium lord
381084 | Zig:25   | Killed Peirail the pandemonium lord
381084 | Zig:25   | Killed Etsoiwe the pandemonium lord
381084 | Zig:25   | Noticed Tooggo the pandemonium lord
381085 | Zig:25   | Killed Baukeli the pandemonium lord
381085 | Zig:25   | Killed Sunaiv the pandemonium lord
381085 | Zig:25   | Killed Queluni the pandemonium lord
381086 | Zig:25   | Killed Fener the pandemonium lord
381086 | Zig:25   | Killed Qebbilas the pandemonium lord
381086 | Zig:25   | Killed Tooggo the pandemonium lord
381086 | Zig:25   | Noticed Pazuy the pandemonium lord
381086 | Zig:25   | Noticed Diramnoh the pandemonium lord
381087 | Zig:25   | Killed Pahaloro the pandemonium lord
381087 | Zig:25   | Killed Suwn the pandemonium lord
381088 | Zig:25   | Killed Iblagoll the pandemonium lord
381088 | Zig:25   | Noticed Ojus the pandemonium lord
381088 | Zig:25   | Noticed Wintuquru the pandemonium lord
381089 | Zig:25   | Noticed Ykligeso the pandemonium lord
381089 | Zig:25   | Noticed Daoxtol the pandemonium lord
381089 | Zig:25   | Noticed Xihoy the pandemonium lord
381089 | Zig:25   | Noticed Jerchejy the pandemonium lord
381089 | Zig:25   | Noticed Iganaig the pandemonium lord
381089 | Zig:25   | Noticed Tophinun the pandemonium lord
381089 | Zig:25   | Noticed Zotak the pandemonium lord
381090 | Zig:25   | Killed Pazuy the pandemonium lord
381090 | Zig:25   | Killed Diramnoh the pandemonium lord
381090 | Zig:25   | Noticed Awouseli the pandemonium lord
381091 | Zig:25   | Noticed Xilij the pandemonium lord
381091 | Zig:25   | Killed Xatodatzua the pandemonium lord
381091 | Zig:25   | Killed Toiqosor the pandemonium lord
381091 | Zig:25   | Killed Ojus the pandemonium lord
381092 | Zig:25   | Killed Ykligeso the pandemonium lord
381092 | Zig:25   | Killed Xihoy the pandemonium lord
381092 | Zig:25   | Killed Xilij the pandemonium lord
381092 | Zig:25   | Killed Daoxtol the pandemonium lord
381092 | Zig:25   | Killed Jerchejy the pandemonium lord
381092 | Zig:25   | Killed Zotak the pandemonium lord
381092 | Zig:25   | Noticed Aheutast the pandemonium lord
381092 | Zig:25   | Noticed Bute the pandemonium lord
381093 | Zig:25   | Noticed Wuskest the pandemonium lord
381094 | Zig:25   | Noticed Womum the pandemonium lord
381094 | Zig:25   | Noticed Xeream the pandemonium lord
381094 | Zig:25   | Noticed Ifonnyi the pandemonium lord
381095 | Zig:25   | Noticed Goaxtot the pandemonium lord
381097 | Zig:25   | Noticed Voex Dajemo the pandemonium lord
381098 | Zig:25   | Noticed Laexesid the pandemonium lord
381100 | Zig:25   | Noticed Omesoh Gabe the pandemonium lord
381101 | Zig:25   | Killed Iganaig the pandemonium lord
381101 | Zig:25   | Killed Wintuquru the pandemonium lord
381101 | Zig:25   | Killed Awouseli the pandemonium lord
381101 | Zig:25   | Killed Tophinun the pandemonium lord
381101 | Zig:25   | Noticed Daehipt the pandemonium lord
381103 | Zig:25   | Killed Goaxtot the pandemonium lord
381103 | Zig:25   | Killed Omesoh Gabe the pandemonium lord
381103 | Zig:25   | Noticed Deixkej the pandemonium lord
381104 | Zig:25   | Noticed Reetoing the pandemonium lord
381105 | Zig:25   | Killed Wuskest the pandemonium lord
381105 | Zig:25   | Killed Bute the pandemonium lord
381105 | Zig:25   | Killed Xeream the pandemonium lord
381105 | Zig:25   | Killed Ifonnyi the pandemonium lord
381105 | Zig:25   | Killed Ireleos the pandemonium lord
381105 | Zig:25   | Noticed Nyumme the pandemonium lord
381105 | Zig:25   | Noticed Plog the pandemonium lord
381106 | Zig:25   | Killed Laexesid the pandemonium lord
381106 | Zig:25   | Noticed Corubra the pandemonium lord
381106 | Zig:25   | Noticed Winime the pandemonium lord
381106 | Zig:25   | Noticed Teveubla the pandemonium lord
381111 | Zig:25   | Noticed Deyduz the pandemonium lord
381111 | Zig:25   | Noticed Lagoeni the pandemonium lord
381112 | Zig:25   | Noticed Goackes the pandemonium lord
381121 | Zig:25   | Killed Nyumme the pandemonium lord
381122 | Zig:25   | Noticed Kablur the pandemonium lord
381123 | Zig:25   | Killed Aheutast the pandemonium lord
381123 | Zig:25   | Killed Plog the pandemonium lord
381123 | Zig:25   | Killed Daehipt the pandemonium lord
381123 | Zig:25   | Noticed Siqovew the pandemonium lord
381124 | Zig:25   | Killed Reetoing the pandemonium lord
381124 | Zig:25   | Killed Corubra the pandemonium lord
381124 | Zig:25   | Killed Deyduz the pandemonium lord
381124 | Zig:25   | Killed Goackes the pandemonium lord
381124 | Zig:25   | Killed Winime the pandemonium lord
381124 | Zig:25   | Killed Womum the pandemonium lord
381125 | Zig:25   | Killed Deixkej the pandemonium lord
381125 | Zig:25   | Killed Lagoeni the pandemonium lord
381125 | Zig:25   | Killed Kablur the pandemonium lord
381125 | Zig:25   | Killed Siqovew the pandemonium lord
381125 | Zig:25   | Killed Teveubla the pandemonium lord
381125 | Zig:25   | Noticed Risoalar the pandemonium lord
381125 | Zig:25   | Noticed Xuilizaff the pandemonium lord
381126 | Zig:25   | Noticed Mokoa the pandemonium lord
381126 | Zig:25   | Noticed Adeykei the pandemonium lord
381127 | Zig:25   | Killed Voex Dajemo the pandemonium lord
381127 | Zig:25   | Killed Xuilizaff the pandemonium lord
381129 | Zig:25   | Killed Mokoa the pandemonium lord
381129 | Zig:25   | Killed Adeykei the pandemonium lord
381129 | Zig:25   | Noticed Cyemines the pandemonium lord
381130 | Zig:25   | Killed Risoalar the pandemonium lord
381130 | Zig:25   | Noticed Cougai Mudd the pandemonium lord
381131 | Zig:25   | Noticed Huopyt the pandemonium lord
381132 | Zig:25   | Killed Cougai Mudd the pandemonium lord
381132 | Zig:25   | Noticed Xeufiy the pandemonium lord
381132 | Zig:25   | Noticed Qurempih the pandemonium lord
381132 | Zig:25   | Noticed Sycvohir the pandemonium lord
381132 | Zig:25   | Noticed Xuug the pandemonium lord
381134 | Zig:25   | Killed Huopyt the pandemonium lord
381134 | Zig:25   | Killed Cyemines the pandemonium lord
381134 | Zig:25   | Noticed Ypaghowu the pandemonium lord
381135 | Zig:25   | Noticed Nilukh the pandemonium lord
381136 | Zig:25   | Noticed Ynuss the pandemonium lord
381136 | Zig:25   | Noticed Vuedwiyxko the pandemonium lord
381136 | Zig:25   | Noticed Sipletus the pandemonium lord
381137 | Zig:25   | Noticed Cuxos the pandemonium lord
381137 | Zig:25   | Noticed Bocrod Bine the pandemonium lord
381137 | Zig:25   | Noticed Loituj the pandemonium lord
381137 | Zig:25   | Noticed Peinidu the pandemonium lord
381138 | Zig:25   | Killed Sipletus the pandemonium lord
381138 | Zig:25   | Killed Vuedwiyxko the pandemonium lord
381138 | Zig:25   | Killed Xuug the pandemonium lord
381138 | Zig:25   | Killed Xeufiy the pandemonium lord
381138 | Zig:25   | Killed Qurempih the pandemonium lord
381138 | Zig:25   | Noticed Qanah the pandemonium lord
381138 | Zig:25   | Noticed Urydgh the pandemonium lord
381139 | Zig:25   | Noticed Omanlyac the pandemonium lord
381139 | Zig:25   | Noticed Keumm the pandemonium lord
381139 | Zig:25   | Noticed Oggaas the pandemonium lord
381139 | Zig:25   | Noticed Xytyir the pandemonium lord
381140 | Zig:25   | Noticed Esihyuw the pandemonium lord
381141 | Zig:25   | Noticed Voifrur the pandemonium lord
381141 | Zig:25   | Noticed Ifrorrept the pandemonium lord
381142 | Zig:25   | Noticed Qoyp the pandemonium lord
381143 | Zig:25   | Noticed Laorpher the pandemonium lord
381144 | Zig:25   | Killed Ynuss the pandemonium lord
381144 | Zig:25   | Noticed Jetain the pandemonium lord
381148 | Zig:25   | Noticed Xoit Fuy the pandemonium lord
381148 | Zig:25   | Killed Nilukh the pandemonium lord
381153 | Zig:25   | Noticed Mybuomu the pandemonium lord
381154 | Zig:25   | Killed Ypaghowu the pandemonium lord
381154 | Zig:25   | Killed Peinidu the pandemonium lord
381154 | Zig:25   | Killed Cuxos the pandemonium lord
381154 | Zig:25   | Killed Bocrod Bine the pandemonium lord
381154 | Zig:25   | Killed Omanlyac the pandemonium lord
381156 | Zig:25   | Killed Keumm the pandemonium lord
381156 | Zig:25   | Killed Urydgh the pandemonium lord
381156 | Zig:25   | Killed Loituj the pandemonium lord
381156 | Zig:25   | Killed Sycvohir the pandemonium lord
381158 | Zig:25   | Noticed Jikhlev the pandemonium lord
381158 | Zig:25   | Noticed Rireav the pandemonium lord
381158 | Zig:25   | Killed Esihyuw the pandemonium lord
381158 | Zig:25   | Killed Ifrorrept the pandemonium lord
381158 | Zig:25   | Noticed Kaxtewn the pandemonium lord
381159 | Zig:25   | Killed Voifrur the pandemonium lord
381159 | Zig:25   | Noticed Fafaal Tisch the pandemonium lord
381159 | Zig:25   | Noticed Puakh the pandemonium lord
381160 | Zig:25   | Killed Xytyir the pandemonium lord
381160 | Zig:25   | Killed Laorpher the pandemonium lord
381160 | Zig:25   | Killed Qoyp the pandemonium lord
381160 | Zig:25   | Killed Oggaas the pandemonium lord
381160 | Zig:25   | Killed Qanah the pandemonium lord
381160 | Zig:25   | Killed Jikhlev the pandemonium lord
381160 | Zig:25   | Killed Jetain the pandemonium lord
381160 | Zig:25   | Killed Mybuomu the pandemonium lord
381160 | Zig:25   | Noticed Ybele the pandemonium lord
381160 | Zig:25   | Noticed Zutef the pandemonium lord
381161 | Zig:25   | Killed Rireav the pandemonium lord
381161 | Zig:25   | Killed Kaxtewn the pandemonium lord
381161 | Zig:25   | Noticed Qyrr the pandemonium lord
381162 | Zig:25   | Killed Fafaal Tisch the pandemonium lord
381162 | Zig:25   | Noticed Lalises the pandemonium lord
381162 | Zig:25   | Noticed Vytyss the pandemonium lord
381163 | Zig:25   | Killed Ybele the pandemonium lord
381163 | Zig:25   | Killed Puakh the pandemonium lord
381163 | Zig:25   | Noticed Rirodei the pandemonium lord
381165 | Zig:25   | Killed Xoit Fuy the pandemonium lord
381165 | Zig:25   | Noticed Xattoweydo the pandemonium lord
381166 | Zig:25   | Noticed Paghered the pandemonium lord
381166 | Zig:25   | Noticed Fowib the pandemonium lord
381171 | Zig:25   | Killed Lalises the pandemonium lord
381173 | Zig:25   | Killed Qyrr the pandemonium lord
381174 | Zig:25   | Killed Zutef the pandemonium lord
381175 | Zig:25   | Killed Vytyss the pandemonium lord
381175 | Zig:25   | Killed Rirodei the pandemonium lord
381177 | Zig:25   | Killed Xattoweydo the pandemonium lord
381177 | Zig:25   | Killed Paghered the pandemonium lord
381177 | Zig:25   | Killed Fowib the pandemonium lord
381178 | Zig:25   | Noticed Onoesh the pandemonium lord
381180 | Zig:25   | Noticed Kyas the pandemonium lord
381180 | Zig:25   | Noticed Qitaegub the pandemonium lord
381180 | Zig:25   | Noticed Pusayt the pandemonium lord
381181 | Zig:25   | Killed Onoesh the pandemonium lord
381181 | Zig:25   | Noticed Gosez the pandemonium lord
381182 | Zig:25   | Killed Qitaegub the pandemonium lord
381183 | Zig:25   | Killed Kyas the pandemonium lord
381184 | Zig:25   | Killed Gosez the pandemonium lord
381184 | Zig:25   | Noticed Wesenkif the pandemonium lord
381186 | Zig:25   | Noticed Ajega the pandemonium lord
381188 | Zig:25   | Killed Pusayt the pandemonium lord
381189 | Zig:25   | Killed Ajega the pandemonium lord
381189 | Zig:25   | Noticed Zoehitul the pandemonium lord
381189 | Zig:25   | Noticed Fimofi the pandemonium lord
381190 | Zig:25   | Noticed Huskestru the pandemonium lord
381191 | Zig:25   | Killed Wesenkif the pandemonium lord
381191 | Zig:25   | Killed Fimofi the pandemonium lord
381191 | Zig:25   | Killed Zoehitul the pandemonium lord
381192 | Zig:25   | Killed Huskestru the pandemonium lord
381192 | Zig:25   | Noticed Oschitu the pandemonium lord
381197 | Zig:25   | Noticed Suviarif the pandemonium lord
381198 | Zig:25   | Killed Oschitu the pandemonium lord
381200 | Zig:25   | Killed Suviarif the pandemonium lord
381201 | Zig:25   | Noticed Xiss the pandemonium lord
381202 | Zig:25   | Noticed Wimm the pandemonium lord
381205 | Zig:25   | Killed Wimm the pandemonium lord
381207 | Zig:25   | Killed Xiss the pandemonium lord
381207 | Zig:25   | Noticed Cappid the pandemonium lord
381210 | Zig:25   | Noticed Ylluleun the pandemonium lord
381213 | Zig:25   | Killed Cappid the pandemonium lord
381216 | Zig:25   | Killed Ylluleun the pandemonium lord
381217 | Zig:25   | Noticed Seassiqo the pandemonium lord
381218 | Zig:25   | Noticed Ohuah the pandemonium lord
381220 | Zig:25   | Killed Seassiqo the pandemonium lord
381220 | Zig:25   | Killed Ohuah the pandemonium lord
381663 | Zig:25   | Identified the +0 chain mail of the Weaver {Dex+2}
381664 | Zig:25   | Identified the ring "Qauwk" {rC+ rCorr EV+5}
381669 | Zig:25   | Identified the +2 short sword of Ilirot {flame, rN+}
381672 | Zig:25   | Identified the +3 battleaxe of Heahe {pain, Will+}
381673 | Zig:25   | Identified the +9 rapier of Xom, Devouring {flame, Drain
                  | +Blink rN+ Dex+4}
381685 | Zig:25   | Identified the +1 falchion of Xashrue {freeze, rN++ Will+
                  | MP+9 Stlth-}
381686 | Zig:25   | Identified the +5 swamp dragon scales of Bitterness {rPois
                  | Str+7 Int+4}
381727 | Zig:25   | Identified the +3 arbalest of Checks and Balances {penet,
                  | *Slow rN++ Dex+9 Stlth-}
381735 | Zig:25   | Identified the +5 trident of Dawn {flame, Int+4}
381751 | Zig:25   | Identified the +2 flail "Roov Botsu" {flame, MP+9 Dex+4}
381756 | Zig:25   | Identified the staff of earth "Okhal" {Int+5 Dex+2}
381764 | Zig:25   | Identified the +6 dagger "Goblinslayer" {elec, *Corrode rF+
                  | rC+}
381787 | Zig:26   | Entered Level 26 of a ziggurat
382959 | Zig:26   | Identified the staff of fire "Siareg" {Drain rF+ rN+++
                  | Int+4}
382963 | Zig:26   | Identified the staff of air "Getab" {rElec rCorr Str+4
                  | Dex+2}
382979 | Zig:26   | Identified the staff of death "Uhoirgh" {rPois rN+ SInv
                  | Stlth-}
382987 | Zig:26   | Identified the +9 rapier of Sityagur {antimagic, Drain rC++
                  | Dex+5}
382992 | Zig:26   | Identified the +7 bardiche "Cinah" {pain, rN+}
383011 | Zig:26   | Identified the ring "Allusec" {rN+ Will- MP+9 Stlth+}
383119 | Zig:27   | Entered Level 27 of a ziggurat
383378 | Zig:27   | Identified the ring of Yhunast {rC+ Str+3}
383383 | Zig:27   | Identified the +5 spear "Teepiur" {pain, rN+}
383386 | Zig:27   | Identified the ring "Oseit" {rF- rC+ rCorr Str+6}
383395 | Zig:27   | Identified the +0 scale mail of Jotho {-Tele Fly Int+4
                  | Dex+4}
383403 | Zig:27   | Identified the ring "Luorchaw" {MP+9 Slay+3}
383427 | Zig:27   | Identified the staff of poison "Kainarah" {rPois rC+ Will+
                  | Dex+4 Stlth-}
383429 | Zig:27   | Identified the staff of air "Idov" {rElec Dex+8}
383432 | Zig:27   | Identified the +0 cloak "Ynoe" {rN++}
383433 | Zig:27   | Identified the +5 falchion "Uphyt" {spect, rC+ Dex+3}
383446 | Zig:27   | Identified the ring "Pofux" {Wiz Fly Will+}
383451 | Zig:27   | Identified the +4 dagger of Ru's Hope {venom, *Rage rF++
                  | Int+3}
383455 | Zig:27   | Identified the +0 lajatang of Decaying Defiance {venom,
                  | *Slow Int+4 Stlth+}
383463 | Zig:27   | Identified the +4 battleaxe "Afido" {freeze, Will++}
383464 | Zig:27   | Identified the +10 long sword of Ocai {flame, *Rage Dex+4}
383472 | Zig:27   | Acquired 807 gold pieces
383477 | Zig:27   | Identified the staff of conjuration "Balim" {Drain rN+
                  | rCorr Dex+6}
383480 | Zig:27   | Identified the +2 buckler of Fortitude {Contam rElec Regen+
                  | Str+6 Int-4}
383481 | Zig:27   | Identified the +8 shortbow of Res Nullius {flame, Stlth+}
383485 | Zig:27   | Identified the staff of air "Toutz" {rElec rN+ rCorr Str+3
                  | Dex+3}
383487 | Zig:27   | Identified the +2 robe of Contentment {rPois Will+ Dex+4
                  | Stlth+}
383507 | Zig:27   | Identified the +3 whip "Gapsoig" {protect, rC+ rN+ rCorr
                  | Int-5}
383514 | Zig:27   | Identified the +7 short sword of Itrownap {heavy, rElec rC-
                  | Will++ Str+2}
383524 | Zig:27   | Identified the staff of cold "Vifot" {rC+ Int+2}
383562 | Zig:27   | Identified the +6 flail "Tetur" {flame, rF+ Will+ rCorr
                  | Int+3}
383571 | Zig:27   | Identified the +1 pair of boots "Kafutul" {rElec Str+2}
383577 | Zig:27   | Identified the +4 flail of Wondrous Power {heavy, rC+
                  | Str+3}
384382 | Zig:1    | Entered Level 1 of a ziggurat
384495 | Zig:2    | Entered Level 2 of a ziggurat
384796 | Zig:3    | Entered Level 3 of a ziggurat
384796 | Zig:3    | Noticed a dread lich
384796 | Zig:3    | Noticed a dread lich
384796 | Zig:3    | Noticed a dread lich
384796 | Zig:3    | Noticed an ancient lich
384796 | Zig:3    | Noticed an ancient lich
384796 | Zig:3    | Noticed a dread lich
384796 | Zig:3    | Noticed an ancient lich
384796 | Zig:3    | Noticed an ancient lich
384796 | Zig:3    | Noticed a dread lich
384796 | Zig:3    | Noticed an ancient lich
384796 | Zig:3    | Noticed an ancient lich
384796 | Zig:3    | Noticed a dread lich
384796 | Zig:3    | Noticed an ancient lich
384797 | Zig:3    | Killed a dread lich
384797 | Zig:3    | Killed a dread lich
384797 | Zig:3    | Killed a dread lich
384797 | Zig:3    | Killed an ancient lich
384797 | Zig:3    | Killed an ancient lich
384797 | Zig:3    | Killed an ancient lich
384797 | Zig:3    | Killed a dread lich
384797 | Zig:3    | Killed an ancient lich
384797 | Zig:3    | Noticed a dread lich
384797 | Zig:3    | Noticed a dread lich
384797 | Zig:3    | Noticed an ancient lich
384798 | Zig:3    | Killed an ancient lich
384798 | Zig:3    | Killed a dread lich
384798 | Zig:3    | Killed an ancient lich
384798 | Zig:3    | Killed an ancient lich
384798 | Zig:3    | Killed a dread lich
384798 | Zig:3    | Killed a dread lich
384798 | Zig:3    | Killed an ancient lich
384798 | Zig:3    | Killed a dread lich
384848 | Zig:3    | Identified the +5 falchion of Lamp {antimagic, rPois Int+2}
384864 | Zig:3    | Identified the ring "Vuepeg" {MP+9 Str-4 Int+2 Dex+3}
384877 | Zig:3    | Identified the +6 sling "Dearekhle" {flame, Will- rCorr
                  | Str+8 Dex+3}
384879 | Zig:3    | Identified the +11 battleaxe of Eternal Vigilance {flame,
                  | rPois rCorr Str+2}
384986 | Zig:4    | Entered Level 4 of a ziggurat
384986 | Zig:4    | Noticed a royal mummy
384986 | Zig:4    | Noticed a royal mummy
384986 | Zig:4    | Noticed a royal mummy
384986 | Zig:4    | Noticed a royal mummy
384986 | Zig:4    | Noticed a royal mummy
384986 | Zig:4    | Noticed a royal mummy
384986 | Zig:4    | Noticed a royal mummy
384986 | Zig:4    | Noticed a royal mummy
384986 | Zig:4    | Noticed a royal mummy
384986 | Zig:4    | Noticed a royal mummy
384986 | Zig:4    | Noticed a royal mummy
384986 | Zig:4    | Noticed a royal mummy
384986 | Zig:4    | Noticed a royal mummy
384987 | Zig:4    | Killed a royal mummy
384987 | Zig:4    | Killed a royal mummy
384987 | Zig:4    | Killed a royal mummy
384987 | Zig:4    | Killed a royal mummy
384987 | Zig:4    | Killed a royal mummy
384987 | Zig:4    | Killed a royal mummy
384987 | Zig:4    | Killed a royal mummy
384987 | Zig:4    | Killed a royal mummy
384987 | Zig:4    | Killed a royal mummy
384987 | Zig:4    | Killed a royal mummy
384987 | Zig:4    | Killed a royal mummy
384987 | Zig:4    | Killed a royal mummy
384989 | Zig:4    | Killed a royal mummy
384990 | Zig:4    | Noticed a royal mummy
385000 | Zig:4    | Killed a royal mummy
385198 | Zig:4    | Identified the +10 hand axe "Puuth" {flame, Contam rPois
                  | Str+3 Stlth+}
385199 | Zig:4    | Identified the +11 quarterstaff of Hounos {flame, rElec
                  | Dex+3}
385230 | Zig:5    | Entered Level 5 of a ziggurat
385230 | Zig:5    | Noticed a juggernaut
385230 | Zig:5    | Noticed a juggernaut
385231 | Zig:5    | Killed a juggernaut
385232 | Zig:5    | Noticed a juggernaut
385234 | Zig:5    | Noticed a juggernaut
385234 | Zig:5    | Noticed a juggernaut
385234 | Zig:5    | Killed a juggernaut
385237 | Zig:5    | Killed a juggernaut
385238 | Zig:5    | Killed a juggernaut
385243 | Zig:5    | Killed a juggernaut
385473 | Zig:5    | Identified the +2 leather armour "Puiff" {Dex+2}
385620 | Zig:6    | Entered Level 6 of a ziggurat
385865 | Zig:6    | Identified the +0 plate armour of the Elven Halls {Slay+2}
385874 | Zig:6    | Identified the +4 whip of Caenot {vamp, Dex+7}
385881 | Zig:6    | Identified the +11 flail "Canimp" {protect, *Corrode rN+++
                  | Will-}
386013 | Zig:7    | Entered Level 7 of a ziggurat
386131 | Zig:7    | Identified the ring "Koiggihy" {*Slow rC+ rCorr Int+4
                  | Slay+4}
386138 | Zig:7    | Identified the ring "Zyujo" {rC+ rN+ Str+6 Dex+6 Slay-5
                  | SInv}
386169 | Zig:7    | Identified the +0 long sword of Parts Unknown {pain, *Slow
                  | rElec Str+5 SInv}
386173 | Zig:7    | Identified the staff of earth "Efamegus" {rF- rN++ MP+9
                  | Int+2}
386377 | Zig:8    | Entered Level 8 of a ziggurat
386390 | Zig:8    | Paralysed by a floating eye for 2 turns
386753 | Zig:8    | Identified the +2 robe of Lilacs {rElec rN+ Int+2 Dex-5}
386756 | Zig:8    | Identified the ring "Ahileo Zifi" {Will+ Int+2 Dex+2}
386770 | Zig:8    | Identified the staff of cold "Qunucosh" {rC+ Will+ Int+4}
386776 | Zig:8    | Identified the ring "Lujetyaq" {Ice rElec}
386827 | Zig:9    | Entered Level 9 of a ziggurat
387230 | Zig:9    | Identified the +5 scale mail of Honour {rPois Str+4}
387365 | Zig:10   | Entered Level 10 of a ziggurat
387577 | Zig:10   | Identified the staff of death "Coli" {rElec rN+ rCorr
                  | Str-2}
387772 | Zig:10   | Identified the +5 hand axe "Madde" {heavy, Will- rCorr
                  | Int+3}
387774 | Zig:10   | Identified the ring of Eneism {rF+ Str+3 Int-5 SInv}
387786 | Zig:10   | Identified the +1 great sword "Bonuagog" {heavy, rElec
                  | Dex+2}
387796 | Zig:10   | Identified the +0 war axe "Muimejet" {speed, Will- Int+5}
387845 | Zig:11   | Entered Level 11 of a ziggurat
388083 | Zig:11   | Identified the staff of conjuration "Inaratic" {rF- Int+4
                  | Dex+5}
388091 | Zig:11   | Identified the +2 chain mail of Bisoiqici {rN+ Int-4 Slay+5
                  | SInv}
388473 | Zig:12   | Entered Level 12 of a ziggurat
388473 | Zig:12   | Noticed an ancient lich
388473 | Zig:12   | Noticed an ancient lich
388473 | Zig:12   | Noticed a dread lich
388473 | Zig:12   | Noticed an ancient lich
388473 | Zig:12   | Noticed an ancient lich
388473 | Zig:12   | Noticed an ancient lich
388473 | Zig:12   | Noticed an ancient lich
388473 | Zig:12   | Noticed an ancient lich
388473 | Zig:12   | Noticed an ancient lich
388473 | Zig:12   | Noticed an ancient lich
388473 | Zig:12   | Noticed a dread lich
388473 | Zig:12   | Noticed an ancient lich
388473 | Zig:12   | Noticed a dread lich
388473 | Zig:12   | Noticed a dread lich
388473 | Zig:12   | Noticed a dread lich
388474 | Zig:12   | Killed a dread lich
388474 | Zig:12   | Killed an ancient lich
388474 | Zig:12   | Killed an ancient lich
388474 | Zig:12   | Killed an ancient lich
388474 | Zig:12   | Killed an ancient lich
388474 | Zig:12   | Killed an ancient lich
388474 | Zig:12   | Killed a dread lich
388475 | Zig:12   | Killed an ancient lich
388475 | Zig:12   | Killed an ancient lich
388475 | Zig:12   | Killed a dread lich
388475 | Zig:12   | Killed a dread lich
388475 | Zig:12   | Killed an ancient lich
388475 | Zig:12   | Killed an ancient lich
388475 | Zig:12   | Killed a dread lich
388475 | Zig:12   | Killed an ancient lich
388475 | Zig:12   | Noticed an ancient lich
388475 | Zig:12   | Noticed a dread lich
388475 | Zig:12   | Noticed a dread lich
388475 | Zig:12   | Noticed an ancient lich
388477 | Zig:12   | Noticed an ancient lich
388477 | Zig:12   | Noticed a dread lich
388477 | Zig:12   | Noticed an ancient lich
388477 | Zig:12   | Noticed a dread lich
388478 | Zig:12   | Noticed an ancient lich
388478 | Zig:12   | Noticed an ancient lich
388478 | Zig:12   | Noticed a dread lich
388478 | Zig:12   | Noticed a dread lich
388478 | Zig:12   | Noticed an ancient lich
388479 | Zig:12   | Noticed a dread lich
388480 | Zig:12   | Noticed an ancient lich
388480 | Zig:12   | Killed a dread lich
388481 | Zig:12   | Killed an ancient lich
388481 | Zig:12   | Killed an ancient lich
388481 | Zig:12   | Killed an ancient lich
388481 | Zig:12   | Killed an ancient lich
388481 | Zig:12   | Killed a dread lich
388481 | Zig:12   | Noticed an ancient lich
388481 | Zig:12   | Noticed an ancient lich
388482 | Zig:12   | Noticed a dread lich
388482 | Zig:12   | Noticed a dread lich
388482 | Zig:12   | Killed a dread lich
388482 | Zig:12   | Killed an ancient lich
388482 | Zig:12   | Noticed a dread lich
388483 | Zig:12   | Noticed an ancient lich
388483 | Zig:12   | Killed a dread lich
388483 | Zig:12   | Killed an ancient lich
388483 | Zig:12   | Noticed an ancient lich
388484 | Zig:12   | Noticed a dread lich
388484 | Zig:12   | Killed a dread lich
388485 | Zig:12   | Killed an ancient lich
388485 | Zig:12   | Killed an ancient lich
388485 | Zig:12   | Killed an ancient lich
388485 | Zig:12   | Killed a dread lich
388486 | Zig:12   | Killed a dread lich
388486 | Zig:12   | Killed a dread lich
388486 | Zig:12   | Killed an ancient lich
388486 | Zig:12   | Killed a dread lich
388486 | Zig:12   | Killed an ancient lich
388486 | Zig:12   | Killed a dread lich
388486 | Zig:12   | Killed a dread lich
388486 | Zig:12   | Killed an ancient lich
388486 | Zig:12   | Noticed a dread lich
388487 | Zig:12   | Noticed an ancient lich
388487 | Zig:12   | Noticed an ancient lich
388488 | Zig:12   | Killed a dread lich
388488 | Zig:12   | Killed an ancient lich
388488 | Zig:12   | Killed an ancient lich
388488 | Zig:12   | Noticed an ancient lich
388491 | Zig:12   | Noticed a dread lich
388492 | Zig:12   | Noticed a dread lich
388493 | Zig:12   | Killed an ancient lich
388493 | Zig:12   | Killed a dread lich
388497 | Zig:12   | Killed a dread lich
388498 | Zig:12   | Identified the staff of conjuration "Koukisma" {rF+ Int+3
                  | Dex+2}
388598 | Zig:12   | Identified the staff of death "Nex Xeig" {Fragile rElec
                  | rPois rN+ Will++}
388846 | Zig:12   | Identified the +1 flail of the Pharaoh's Fist {spect, rElec
                  | rPois Will+ Stlth+}
388850 | Zig:12   | Identified the ring "Lovo" {*Corrode Will+ Slay+4 SInv
                  | Stlth+}
388861 | Zig:12   | Identified the ring "Gunow" {Fire Str+3}
388865 | Zig:12   | Identified the +5 whip of Hemuiz {protect, Dex+4}
388882 | Zig:12   | Identified the +11 falchion "Ycirhaish" {protect, Drain
                  | rPois rF+++ rC-}
388885 | Zig:12   | Identified the +4 plate armour of Pewkahau {rN+ rCorr Str-4
                  | Int+6}
389000 | Zig:13   | Entered Level 13 of a ziggurat
389200 | Zig:13   | Identified the +8 demon whip of Raeg {venom, Drain rPois
                  | rF+ rC+}
389205 | Zig:13   | Identified the +6 arbalest of Resumed Hostilities {flame,
                  | Str+4 Int+3 Dex+3}
389219 | Zig:13   | Identified the staff of air "Rukakaf" {rElec Str+2 Int+3
                  | Dex+3}
389228 | Zig:13   | Identified the +1 scale mail of Zitteim {rF+ rC+}
389253 | Zig:13   | Identified the +0 ring mail "Hyveqeav" {Str+3 Dex+8 Stlth-}
389617 | Zig:14   | Entered Level 14 of a ziggurat
389649 | Zig:14   | Identified the staff of death "Rilio" {+Blink rC+ rN+
                  | Int+3}
389795 | Zig:14   | Identified the +7 shortbow "Cadoczez" {elec, rN++ Will+}
389809 | Zig:14   | Identified the staff of conjuration "Padeox" {rElec}
389843 | Zig:14   | Identified the staff of poison "Poic" {rPois rN+ Int+2}
390270 | Zig:14   | Identified the +7 whip of the Forsaken Tales {spect, rElec
                  | Str+3 Stlth+}
390274 | Zig:14   | Identified the amulet "Xanemif" {RegenMP Drain rPois Int+2}
390293 | Zig:14   | Identified the ring "Xaycobomn" {rPois rC+ Int+6}
390333 | Zig:15   | Entered Level 15 of a ziggurat
390333 | Zig:15   | Noticed a juggernaut
390333 | Zig:15   | Noticed a juggernaut
390333 | Zig:15   | Noticed a juggernaut
390333 | Zig:15   | Noticed a juggernaut
390333 | Zig:15   | Noticed a juggernaut
390333 | Zig:15   | Noticed a juggernaut
390333 | Zig:15   | Noticed a juggernaut
390333 | Zig:15   | Noticed a juggernaut
390333 | Zig:15   | Noticed a juggernaut
390334 | Zig:15   | Killed a juggernaut
390334 | Zig:15   | Killed a juggernaut
390334 | Zig:15   | Killed a juggernaut
390334 | Zig:15   | Killed a juggernaut
390334 | Zig:15   | Killed a juggernaut
390334 | Zig:15   | Killed a juggernaut
390334 | Zig:15   | Noticed a juggernaut
390335 | Zig:15   | Noticed a juggernaut
390335 | Zig:15   | Noticed a juggernaut
390335 | Zig:15   | Noticed a juggernaut
390337 | Zig:15   | Killed a juggernaut
390337 | Zig:15   | Killed a juggernaut
390338 | Zig:15   | Noticed a juggernaut
390338 | Zig:15   | Noticed a juggernaut
390339 | Zig:15   | Noticed a juggernaut
390339 | Zig:15   | Noticed a juggernaut
390339 | Zig:15   | Noticed a juggernaut
390340 | Zig:15   | Noticed a juggernaut
390340 | Zig:15   | Noticed a juggernaut
390341 | Zig:15   | Noticed a juggernaut
390341 | Zig:15   | Noticed a juggernaut
390341 | Zig:15   | Killed a juggernaut
390341 | Zig:15   | Killed a juggernaut
390342 | Zig:15   | Noticed a juggernaut
390342 | Zig:15   | Noticed a juggernaut
390342 | Zig:15   | Noticed a juggernaut
390342 | Zig:15   | Killed a juggernaut
390343 | Zig:15   | Noticed a juggernaut
390344 | Zig:15   | Noticed a juggernaut
390344 | Zig:15   | Noticed a juggernaut
390345 | Zig:15   | Noticed a juggernaut
390346 | Zig:15   | Noticed a juggernaut
390347 | Zig:15   | Noticed a juggernaut
390347 | Zig:15   | Killed a juggernaut
390347 | Zig:15   | Killed a juggernaut
390347 | Zig:15   | Killed a juggernaut
390347 | Zig:15   | Killed a juggernaut
390347 | Zig:15   | Killed a juggernaut
390347 | Zig:15   | Killed a juggernaut
390347 | Zig:15   | Killed a juggernaut
390347 | Zig:15   | Killed a juggernaut
390347 | Zig:15   | Killed a juggernaut
390347 | Zig:15   | Killed a juggernaut
390347 | Zig:15   | Killed a juggernaut
390347 | Zig:15   | Killed a juggernaut
390347 | Zig:15   | Killed a juggernaut
390347 | Zig:15   | Killed a juggernaut
390347 | Zig:15   | Killed a juggernaut
390347 | Zig:15   | Killed a juggernaut
390347 | Zig:15   | Killed a juggernaut
390348 | Zig:15   | Noticed a juggernaut
390349 | Zig:15   | Noticed a juggernaut
390349 | Zig:15   | Noticed a juggernaut
390350 | Zig:15   | Noticed a juggernaut
390353 | Zig:15   | Killed a juggernaut
390353 | Zig:15   | Killed a juggernaut
390353 | Zig:15   | Killed a juggernaut
390353 | Zig:15   | Noticed a juggernaut
390357 | Zig:15   | Killed a juggernaut
390358 | Zig:15   | Killed a juggernaut
390358 | Zig:15   | Killed a juggernaut
390360 | Zig:15   | Killed a juggernaut
390375 | Zig:15   | Killed a juggernaut
390485 | Zig:15   | Identified the staff of death "Caump" {rF+ rN+ SInv Stlth+}
390489 | Zig:15   | Identified the amulet of Itroawod {Acrobat Regen+ MP+9}
390490 | Zig:15   | Identified the +2 cloak of Vanity {rPois}
390493 | Zig:15   | Identified the +8 chain mail "Ytta" {rN+ SInv}
390495 | Zig:15   | Identified the ring "Poebecs" {rElec rN++ Will- Str+3
                  | Int+6}
390500 | Zig:15   | Identified the ring of the Serpent {Will+ Slay+3}
390504 | Zig:15   | Identified the +1 whip of Xom's Regard {protect, rN+ Int+3
                  | Dex+3}
390507 | Zig:15   | Identified the ring of Rif Vovo {rPois rN+ rCorr Int+4}
390531 | Zig:15   | Identified the staff of earth "Citon" {rPois Str-4 Int+3
                  | Dex+7}
390534 | Zig:15   | Identified the +0 leather armour "Wipherph" {rCorr Str+2
                  | Dex-5 SInv}
390538 | Zig:15   | Identified the +10 glaive of Welfare {speed, Fly Int-4
                  | SInv}
390540 | Zig:15   | Identified the staff of conjuration "Yghuuc" {Fly Will++
                  | Stlth+}
390542 | Zig:15   | Identified the staff of death "Guruabum" {rPois rN+ rCorr
                  | MP+9 Dex+2}
391032 | Zig:16   | Entered Level 16 of a ziggurat
391090 | Zig:16   | Noticed Gaolifix the pandemonium lord
391093 | Zig:16   | Killed Gaolifix the pandemonium lord
391649 | Zig:16   | Identified the +1 morningstar of the Muttering Gods {flame,
                  | Will+}
391652 | Zig:16   | Identified the +4 scimitar of the End of Times {flame,
                  | Str-2 Dex+5}
391656 | Zig:16   | Identified the +9 quarterstaff of Foul Odours {spect, SInv}
391657 | Zig:16   | Identified the +8 flail of Arut {flame, rN+}
391658 | Zig:16   | Identified the +4 flail of Impatience {spect, Contam rCorr
                  | Stlth+}
391672 | Zig:16   | Identified the +3 mace of Yredelemnul, Healing {heavy,
                  | Contam rF+ Will+ Dex+2}
391673 | Zig:16   | Identified the +8 lajatang "Tomil" {chaos, Str+3}
391679 | Zig:16   | Identified the staff of earth "Jeq Ynul" {rN+}
391683 | Zig:16   | Identified the ring "Qesukk" {rN+ EV+5 SInv}
391688 | Zig:16   | Identified the amulet "Vym Equ" {RegenMP Will+ Str+2
                  | Stlth+}
391694 | Zig:16   | Identified the +8 falchion "Pecviroj" {heavy, *Noise rPois
                  | rN+ Will+}
391695 | Zig:16   | Identified the +1 trident of Autumn {vamp, Str+9 Int-4}
391699 | Zig:16   | Identified the staff of cold "Figafiso" {rF+ rC+ Str-4
                  | Int+4 Dex+4}
391701 | Zig:16   | Identified the staff of conjuration "Sigutet" {+Blink rElec
                  | rF- Int+3}
391718 | Zig:16   | Identified the +3 trident "Demonspawn's Death" {freeze, rN+
                  | Stlth+}
391719 | Zig:16   | Identified the +4 sling of Indomitability {speed, rF+ Str+6
                  | Stlth-}
391720 | Zig:16   | Identified the staff of poison "Xaajekle" {rPois rN+ Will++
                  | Int-3}
391792 | Zig:17   | Entered Level 17 of a ziggurat
391792 | Zig:17   | Noticed a juggernaut
391792 | Zig:17   | Noticed a juggernaut
391792 | Zig:17   | Noticed a juggernaut
391792 | Zig:17   | Noticed a juggernaut
391792 | Zig:17   | Noticed a juggernaut
391792 | Zig:17   | Noticed a juggernaut
391792 | Zig:17   | Noticed a juggernaut
391792 | Zig:17   | Noticed a juggernaut
391792 | Zig:17   | Noticed a juggernaut
391792 | Zig:17   | Noticed a juggernaut
391792 | Zig:17   | Noticed a juggernaut
391792 | Zig:17   | Noticed a juggernaut
391792 | Zig:17   | Noticed a juggernaut
391792 | Zig:17   | Noticed a juggernaut
391792 | Zig:17   | Noticed a juggernaut
391792 | Zig:17   | Noticed a juggernaut
391793 | Zig:17   | Killed a juggernaut
391793 | Zig:17   | Killed a juggernaut
391793 | Zig:17   | Killed a juggernaut
391793 | Zig:17   | Killed a juggernaut
391793 | Zig:17   | Killed a juggernaut
391793 | Zig:17   | Killed a juggernaut
391793 | Zig:17   | Killed a juggernaut
391793 | Zig:17   | Killed a juggernaut
391793 | Zig:17   | Killed a juggernaut
391794 | Zig:17   | Killed a juggernaut
391794 | Zig:17   | Killed a juggernaut
391794 | Zig:17   | Killed a juggernaut
391794 | Zig:17   | Killed a juggernaut
391794 | Zig:17   | Killed a juggernaut
391794 | Zig:17   | Killed a juggernaut
391794 | Zig:17   | Killed a juggernaut
391794 | Zig:17   | Noticed a juggernaut
391794 | Zig:17   | Noticed a juggernaut
391794 | Zig:17   | Noticed a juggernaut
391794 | Zig:17   | Noticed a juggernaut
391794 | Zig:17   | Noticed a juggernaut
391794 | Zig:17   | Noticed a juggernaut
391794 | Zig:17   | Noticed a juggernaut
391794 | Zig:17   | Noticed a juggernaut
391794 | Zig:17   | Noticed a juggernaut
391796 | Zig:17   | Noticed a juggernaut
391796 | Zig:17   | Noticed a juggernaut
391796 | Zig:17   | Noticed a juggernaut
391796 | Zig:17   | Noticed a juggernaut
391797 | Zig:17   | Noticed a juggernaut
391797 | Zig:17   | Noticed a juggernaut
391799 | Zig:17   | Killed a juggernaut
391799 | Zig:17   | Killed a juggernaut
391799 | Zig:17   | Killed a juggernaut
391799 | Zig:17   | Killed a juggernaut
391799 | Zig:17   | Killed a juggernaut
391799 | Zig:17   | Killed a juggernaut
391800 | Zig:17   | Noticed a juggernaut
391800 | Zig:17   | Noticed a juggernaut
391800 | Zig:17   | Noticed a juggernaut
391800 | Zig:17   | Noticed a juggernaut
391800 | Zig:17   | Killed a juggernaut
391800 | Zig:17   | Killed a juggernaut
391800 | Zig:17   | Killed a juggernaut
391801 | Zig:17   | Noticed a juggernaut
391801 | Zig:17   | Noticed a juggernaut
391801 | Zig:17   | Noticed a juggernaut
391801 | Zig:17   | Noticed a juggernaut
391801 | Zig:17   | Noticed a juggernaut
391801 | Zig:17   | Killed a juggernaut
391801 | Zig:17   | Killed a juggernaut
391802 | Zig:17   | Noticed a juggernaut
391802 | Zig:17   | Noticed a juggernaut
391802 | Zig:17   | Noticed a juggernaut
391802 | Zig:17   | Noticed a juggernaut
391802 | Zig:17   | Noticed a juggernaut
391802 | Zig:17   | Killed a juggernaut
391802 | Zig:17   | Killed a juggernaut
391802 | Zig:17   | Killed a juggernaut
391802 | Zig:17   | Killed a juggernaut
391803 | Zig:17   | Noticed a juggernaut
391803 | Zig:17   | Noticed a juggernaut
391803 | Zig:17   | Killed a juggernaut
391803 | Zig:17   | Killed a juggernaut
391803 | Zig:17   | Killed a juggernaut
391803 | Zig:17   | Killed a juggernaut
391803 | Zig:17   | Killed a juggernaut
391803 | Zig:17   | Killed a juggernaut
391803 | Zig:17   | Killed a juggernaut
391803 | Zig:17   | Killed a juggernaut
391804 | Zig:17   | Killed a juggernaut
391804 | Zig:17   | Killed a juggernaut
391804 | Zig:17   | Killed a juggernaut
391804 | Zig:17   | Killed a juggernaut
391804 | Zig:17   | Killed a juggernaut
391804 | Zig:17   | Killed a juggernaut
391804 | Zig:17   | Killed a juggernaut
391804 | Zig:17   | Noticed a juggernaut
391804 | Zig:17   | Noticed a juggernaut
391805 | Zig:17   | Noticed a juggernaut
391805 | Zig:17   | Noticed a juggernaut
391805 | Zig:17   | Noticed a juggernaut
391805 | Zig:17   | Noticed a juggernaut
391805 | Zig:17   | Noticed a juggernaut
391806 | Zig:17   | Noticed a juggernaut
391806 | Zig:17   | Noticed a juggernaut
391807 | Zig:17   | Noticed a juggernaut
391807 | Zig:17   | Noticed a juggernaut
391807 | Zig:17   | Noticed a juggernaut
391807 | Zig:17   | Noticed a juggernaut
391807 | Zig:17   | Noticed a juggernaut
391808 | Zig:17   | Noticed a juggernaut
391809 | Zig:17   | Noticed a juggernaut
391809 | Zig:17   | Killed a juggernaut
391809 | Zig:17   | Killed a juggernaut
391809 | Zig:17   | Killed a juggernaut
391809 | Zig:17   | Killed a juggernaut
391809 | Zig:17   | Killed a juggernaut
391809 | Zig:17   | Killed a juggernaut
391809 | Zig:17   | Killed a juggernaut
391809 | Zig:17   | Killed a juggernaut
391809 | Zig:17   | Killed a juggernaut
391809 | Zig:17   | Killed a juggernaut
391809 | Zig:17   | Killed a juggernaut
391809 | Zig:17   | Killed a juggernaut
391809 | Zig:17   | Killed a juggernaut
391810 | Zig:17   | Killed a juggernaut
391810 | Zig:17   | Killed a juggernaut
391810 | Zig:17   | Killed a juggernaut
391810 | Zig:17   | Killed a juggernaut
391810 | Zig:17   | Noticed a juggernaut
391810 | Zig:17   | Noticed a juggernaut
391811 | Zig:17   | Noticed a juggernaut
391811 | Zig:17   | Noticed a juggernaut
391812 | Zig:17   | Noticed a juggernaut
391815 | Zig:17   | Noticed a juggernaut
391815 | Zig:17   | Noticed a juggernaut
391815 | Zig:17   | Noticed a juggernaut
391816 | Zig:17   | Killed a juggernaut
391816 | Zig:17   | Killed a juggernaut
391816 | Zig:17   | Killed a juggernaut
391817 | Zig:17   | Killed a juggernaut
391817 | Zig:17   | Killed a juggernaut
391817 | Zig:17   | Killed a juggernaut
391817 | Zig:17   | Killed a juggernaut
391818 | Zig:17   | Killed a juggernaut
391819 | Zig:17   | Noticed a juggernaut
391823 | Zig:17   | Killed a juggernaut
392018 | Zig:17   | Identified the +11 rapier "Naunur" {drain, rN+ Dex+3}
392021 | Zig:17   | Identified the ring "Cem Kuh" {Will+ Int+3 SInv}
392075 | Zig:17   | Identified the +3 whip "Puxoar" {heavy, rN+ Will+}
392082 | Zig:17   | Identified the +3 mace of the Known World {elec, rN+ rCorr
                  | MP-9 Str+3 Int+4}
392087 | Zig:17   | Identified the ring of Isotetu {rN+ Str+4 Dex+6}
392634 | Zig:18   | Entered Level 18 of a ziggurat
393254 | Zig:18   | Identified the +5 chain mail of the Scribe {rPois}
393278 | Zig:18   | Identified the +10 chain mail of Cuneneil {+Inv Str+4
                  | Int+8}
393338 | Zig:18   | Identified the +1 robe of the Sun {rC- rN++ Str+3}
393344 | Zig:18   | Identified the +11 great sword of the Toadstool {flame, Fly
                  | rElec rC++ Str+3}
393361 | Zig:18   | Identified the staff of cold "Tuoca" {rPois rC+ rN+ Will+
                  | Dex+3}
393366 | Zig:18   | Identified the +4 dagger of Lokhuni {heavy, SInv Stlth+}
393367 | Zig:18   | Identified the +1 ring mail "Fanigoa" {Harm rPois Will-
                  | SInv}
393374 | Zig:18   | Identified the +3 bardiche of Integrity {pain, rC+}
393378 | Zig:18   | Identified the +8 dagger of Skirmishing {heavy, rPois rCorr
                  | Int+4}
393382 | Zig:18   | Identified the +0 chain mail "Umaubb" {Rampage}
393386 | Zig:18   | Identified the +7 hand axe of Blind Justice {freeze, Fly
                  | rN+}
393387 | Zig:18   | Identified the +0 ring mail "Uwiygioh" {rF- MP+9 Str+9
                  | Int-4}
393388 | Zig:18   | Identified the +4 plate armour "Fiezouj" {rF++}
393400 | Zig:18   | Identified the +5 broad axe of the Harvest {venom, MP+9
                  | Str-5 Int+8 Dex-5}
393419 | Zig:18   | Identified the staff of air "Miummish" {Fly rElec rC+ rN+
                  | SInv}
393441 | Zig:18   | Identified the +0 trident of Ydeti {holy, rPois}
393484 | Zig:19   | Entered Level 19 of a ziggurat
393506 | Zig:19   | Paralysed by a wendigo for 1 turns
393511 | Zig:19   | Noticed a dread lich
393520 | Zig:19   | Killed a dread lich
393686 | Zig:19   | Identified the amulet of Ohiwneh {Faith Harm Str+3 Int-4
                  | Dex+6}
393696 | Zig:19   | Identified the +8 glaive "Xippyet" {elec, *Rage rN+ Will+}
393697 | Zig:19   | Identified the staff of conjuration "Beatixo" {rPois Str+4}
393708 | Zig:19   | Identified the +8 rapier of Salt {flame, rN+ Str+3}
393735 | Zig:19   | Identified the +2 short sword of the Winnowing Gods {elec,
                  | *Noise *Slow Int+3 Dex+8 SInv}
394313 | Zig:19   | Identified the +6 sling "Qiusycom" {antimagic, Int+3}
394315 | Zig:19   | Identified the ring of Egol {rElec rF+ rCorr Str+2 Int-2}
394319 | Zig:19   | Identified the staff of cold "Esauch" {rC+ Will+ Int-2
                  | Stlth+}
394378 | Zig:20   | Entered Level 20 of a ziggurat
394378 | Zig:20   | Noticed a juggernaut
394378 | Zig:20   | Noticed a juggernaut
394378 | Zig:20   | Noticed a juggernaut
394378 | Zig:20   | Noticed a juggernaut
394378 | Zig:20   | Noticed a juggernaut
394378 | Zig:20   | Noticed a juggernaut
394378 | Zig:20   | Noticed a juggernaut
394378 | Zig:20   | Noticed a juggernaut
394378 | Zig:20   | Noticed a juggernaut
394378 | Zig:20   | Noticed a juggernaut
394378 | Zig:20   | Noticed a juggernaut
394378 | Zig:20   | Noticed a juggernaut
394378 | Zig:20   | Noticed a juggernaut
394378 | Zig:20   | Noticed a juggernaut
394378 | Zig:20   | Noticed a juggernaut
394378 | Zig:20   | Noticed a juggernaut
394378 | Zig:20   | Noticed a juggernaut
394378 | Zig:20   | Noticed a juggernaut
394379 | Zig:20   | Killed a juggernaut
394379 | Zig:20   | Killed a juggernaut
394379 | Zig:20   | Killed a juggernaut
394379 | Zig:20   | Killed a juggernaut
394379 | Zig:20   | Killed a juggernaut
394379 | Zig:20   | Killed a juggernaut
394379 | Zig:20   | Killed a juggernaut
394379 | Zig:20   | Killed a juggernaut
394379 | Zig:20   | Killed a juggernaut
394379 | Zig:20   | Killed a juggernaut
394379 | Zig:20   | Killed a juggernaut
394379 | Zig:20   | Killed a juggernaut
394379 | Zig:20   | Killed a juggernaut
394379 | Zig:20   | Killed a juggernaut
394379 | Zig:20   | Killed a juggernaut
394379 | Zig:20   | Noticed a juggernaut
394380 | Zig:20   | Killed a juggernaut
394380 | Zig:20   | Killed a juggernaut
394380 | Zig:20   | Killed a juggernaut
394380 | Zig:20   | Killed a juggernaut
394380 | Zig:20   | Noticed a juggernaut
394382 | Zig:20   | Noticed a juggernaut
394382 | Zig:20   | Noticed a juggernaut
394383 | Zig:20   | Noticed a juggernaut
394384 | Zig:20   | Noticed a juggernaut
394384 | Zig:20   | Noticed a juggernaut
394384 | Zig:20   | Noticed a juggernaut
394385 | Zig:20   | Noticed a juggernaut
394385 | Zig:20   | Noticed a juggernaut
394385 | Zig:20   | Noticed a juggernaut
394385 | Zig:20   | Killed a juggernaut
394385 | Zig:20   | Noticed a juggernaut
394385 | Zig:20   | Noticed a juggernaut
394386 | Zig:20   | Killed a juggernaut
394386 | Zig:20   | Killed a juggernaut
394386 | Zig:20   | Killed a juggernaut
394386 | Zig:20   | Killed a juggernaut
394386 | Zig:20   | Killed a juggernaut
394386 | Zig:20   | Killed a juggernaut
394386 | Zig:20   | Killed a juggernaut
394386 | Zig:20   | Noticed a juggernaut
394386 | Zig:20   | Noticed a juggernaut
394386 | Zig:20   | Noticed a juggernaut
394387 | Zig:20   | Noticed a juggernaut
394387 | Zig:20   | Noticed a juggernaut
394387 | Zig:20   | Noticed a juggernaut
394387 | Zig:20   | Noticed a juggernaut
394387 | Zig:20   | Noticed a juggernaut
394388 | Zig:20   | Noticed a juggernaut
394388 | Zig:20   | Noticed a juggernaut
394388 | Zig:20   | Killed a juggernaut
394388 | Zig:20   | Noticed a juggernaut
394388 | Zig:20   | Noticed a juggernaut
394388 | Zig:20   | Noticed a juggernaut
394388 | Zig:20   | Noticed a juggernaut
394388 | Zig:20   | Noticed a juggernaut
394388 | Zig:20   | Noticed a juggernaut
394388 | Zig:20   | Noticed a juggernaut
394388 | Zig:20   | Noticed a juggernaut
394390 | Zig:20   | Noticed a juggernaut
394390 | Zig:20   | Noticed a juggernaut
394390 | Zig:20   | Noticed a juggernaut
394391 | Zig:20   | Killed a juggernaut
394391 | Zig:20   | Killed a juggernaut
394391 | Zig:20   | Killed a juggernaut
394391 | Zig:20   | Killed a juggernaut
394391 | Zig:20   | Killed a juggernaut
394391 | Zig:20   | Killed a juggernaut
394391 | Zig:20   | Noticed a juggernaut
394391 | Zig:20   | Noticed a juggernaut
394392 | Zig:20   | Killed a juggernaut
394392 | Zig:20   | Killed a juggernaut
394392 | Zig:20   | Killed a juggernaut
394392 | Zig:20   | Killed a juggernaut
394392 | Zig:20   | Killed a juggernaut
394392 | Zig:20   | Noticed a juggernaut
394392 | Zig:20   | Noticed a juggernaut
394393 | Zig:20   | Killed a juggernaut
394393 | Zig:20   | Killed a juggernaut
394393 | Zig:20   | Killed a juggernaut
394393 | Zig:20   | Killed a juggernaut
394393 | Zig:20   | Killed a juggernaut
394393 | Zig:20   | Killed a juggernaut
394393 | Zig:20   | Killed a juggernaut
394393 | Zig:20   | Killed a juggernaut
394393 | Zig:20   | Killed a juggernaut
394393 | Zig:20   | Killed a juggernaut
394393 | Zig:20   | Noticed a juggernaut
394393 | Zig:20   | Noticed a juggernaut
394393 | Zig:20   | Noticed a juggernaut
394393 | Zig:20   | Noticed a juggernaut
394394 | Zig:20   | Killed a juggernaut
394394 | Zig:20   | Killed a juggernaut
394394 | Zig:20   | Killed a juggernaut
394394 | Zig:20   | Killed a juggernaut
394394 | Zig:20   | Killed a juggernaut
394394 | Zig:20   | Killed a juggernaut
394394 | Zig:20   | Killed a juggernaut
394394 | Zig:20   | Noticed a juggernaut
394395 | Zig:20   | Noticed a juggernaut
394395 | Zig:20   | Noticed a juggernaut
394395 | Zig:20   | Noticed a juggernaut
394396 | Zig:20   | Noticed a juggernaut
394397 | Zig:20   | Noticed a juggernaut
394398 | Zig:20   | Killed a juggernaut
394398 | Zig:20   | Killed a juggernaut
394398 | Zig:20   | Killed a juggernaut
394398 | Zig:20   | Killed a juggernaut
394398 | Zig:20   | Killed a juggernaut
394398 | Zig:20   | Noticed a juggernaut
394399 | Zig:20   | Noticed a juggernaut
394399 | Zig:20   | Noticed a juggernaut
394399 | Zig:20   | Killed a juggernaut
394399 | Zig:20   | Killed a juggernaut
394399 | Zig:20   | Killed a juggernaut
394399 | Zig:20   | Killed a juggernaut
394399 | Zig:20   | Killed a juggernaut
394399 | Zig:20   | Killed a juggernaut
394399 | Zig:20   | Killed a juggernaut
394399 | Zig:20   | Noticed a juggernaut
394399 | Zig:20   | Noticed a juggernaut
394400 | Zig:20   | Killed a juggernaut
394400 | Zig:20   | Noticed a juggernaut
394401 | Zig:20   | Noticed a juggernaut
394401 | Zig:20   | Noticed a juggernaut
394401 | Zig:20   | Noticed a juggernaut
394401 | Zig:20   | Noticed a juggernaut
394402 | Zig:20   | Noticed a juggernaut
394402 | Zig:20   | Noticed a juggernaut
394403 | Zig:20   | Noticed a juggernaut
394403 | Zig:20   | Noticed a juggernaut
394404 | Zig:20   | Killed a juggernaut
394404 | Zig:20   | Killed a juggernaut
394404 | Zig:20   | Killed a juggernaut
394404 | Zig:20   | Killed a juggernaut
394404 | Zig:20   | Killed a juggernaut
394404 | Zig:20   | Killed a juggernaut
394404 | Zig:20   | Killed a juggernaut
394405 | Zig:20   | Noticed a juggernaut
394405 | Zig:20   | Killed a juggernaut
394405 | Zig:20   | Killed a juggernaut
394405 | Zig:20   | Killed a juggernaut
394406 | Zig:20   | Killed a juggernaut
394406 | Zig:20   | Noticed a juggernaut
394408 | Zig:20   | Killed a juggernaut
394411 | Zig:20   | Killed a juggernaut
395187 | Zig:20   | Identified the ring "Zickuorph" {Ice Contam Str+7 Slay+2}
395193 | Zig:20   | Identified the +0 war axe of Suruasae {freeze, rC++ Dex+2}
395195 | Zig:20   | Identified the staff of conjuration "Ynak" {*Corrode rF+++
                  | Will- Dex+8}
395208 | Zig:20   | Identified the amulet "Sykacuk" {Faith Slay+3}
395222 | Zig:20   | Identified the staff of air "Uweyvat" {rElec Will++}
395224 | Zig:20   | Identified the +1 dire flail of the Nexus {pain, Str+4}
395235 | Zig:20   | Identified the amulet of Kuekumes {Faith Harm rElec Dex+2}
395239 | Zig:20   | Identified the +10 plate armour of the Centipede {Int+8}
395244 | Zig:20   | Identified the +12 halberd of Ravage {holy, SInv}
395260 | Zig:20   | Identified the staff of earth "Jias" {Dex+4}
395261 | Zig:20   | Identified the +8 long sword "Ibetruc" {drain, Stlth+}
395263 | Zig:20   | Identified the ring of Ucemen {Will+ Str+4 Stlth+}
395271 | Zig:20   | Identified the +11 battleaxe "Enepsyull" {drain, rPois}
395283 | Zig:20   | Identified the +10 halberd of Cilesifema {freeze, Str+6
                  | Dex+3}
395288 | Zig:20   | Identified the +5 mace of Zoacuxt {drain, rF+}
395293 | Zig:20   | Identified the +8 flail "Nyahaugi" {venom, rC+ rCorr MP+9}
395295 | Zig:20   | Identified the +1 helmet of Gozag's Displeasure {rPois
                  | Stlth+}
395298 | Zig:20   | Identified the +6 short sword of Excruciating Pain {flame,
                  | rC+ Will+ MP+9}
395302 | Zig:20   | Identified the ring of Neacs {rPois rF- Will+ Str+3}
395303 | Zig:20   | Identified the +0 ice dragon scales of the Ten Chewing
                  | Demons {rF- rC++ Will+ rCorr Dex+3}
395420 | Zig:21   | Entered Level 21 of a ziggurat
395510 | Zig:21   | Noticed Wagiyfum the pandemonium lord
395514 | Zig:21   | Killed Wagiyfum the pandemonium lord
396294 | Zig:21   | Identified the +4 ring mail of Midnight {rN+ SInv}
396297 | Zig:21   | Identified the ring "Cajyilo" {rN+ Will+ Dex+5 Stlth-}
396320 | Zig:21   | Identified the ring of the Crushed Orbs {rPois Int+6}
396330 | Zig:21   | Identified the +1 double sword of the Nexus {heavy, *Noise
                  | rF+ rC+}
396333 | Zig:21   | Identified the +10 war axe "Bimofix" {flame, rC+ Int+4
                  | SInv}
396334 | Zig:21   | Identified the +4 chain mail of Verdant Beauty {rPois rCorr
                  | Dex-5}
396362 | Zig:21   | Identified the +2 robe "Kykkad" {*Slow +Inv rC+ Str+3
                  | Dex+2}
396374 | Zig:21   | Identified the +3 sling "Oblull" {drain, rC+ MP+9}
396447 | Zig:22   | Entered Level 22 of a ziggurat
396509 | Zig:22   | Noticed Polur the pandemonium lord
396517 | Zig:22   | Killed Polur the pandemonium lord
397251 | Zig:22   | Identified the +7 war axe "Zeozecof" {holy, Will+}
397258 | Zig:22   | Identified the +3 morningstar "Bioclust" {drain, Dex+3}
397287 | Zig:22   | Identified the +4 shortbow of the Brain {flame, rPois rC-
                  | Str+9 Stlth-}
397290 | Zig:22   | Identified the ring of Coronation {Ice Contam +Blink Fly}
397292 | Zig:22   | Identified the staff of poison "Muj Hufi" {Fragile rPois
                  | rN+ Will+ Dex+3}
397298 | Zig:22   | Identified the +1 robe "Pelan" {Will- Str+3 Int+6 Dex+2}
397301 | Zig:22   | Identified the staff of poison "Jysir" {rPois Str+4}
397308 | Zig:22   | Identified the ring of Cuwnop {Fire *Slow Str+3 Int+2}
397310 | Zig:22   | Identified the amulet of the Pariah {Acrobat Harm}
397312 | Zig:22   | Identified the ring of Orhusama {rElec Dex+6}
397327 | Zig:22   | Identified the staff of cold "Aheuhy" {*Slow rPois rC+
                  | Int+3 Dex+6}
397330 | Zig:22   | Identified the +5 great sword of Degruel {freeze, *Slow
                  | rPois rF+ rN+}
397340 | Zig:22   | Identified the +7 war axe of Gozag's Vengeance {protect,
                  | +Blink rElec}
397344 | Zig:22   | Identified the staff of earth "Neuf" {rF++ Str+2}
397345 | Zig:22   | Identified the +5 shortbow "Qyidob" {flame, MP+9 Int+3}
397346 | Zig:22   | Identified the ring "Faurism" {Contam rF+ rC+ Will+++
                  | Str-5}
397347 | Zig:22   | Identified the staff of poison "Yllub" {rPois Str-5 Int+4}
397448 | Zig:23   | Entered Level 23 of a ziggurat
397448 | Zig:23   | Noticed a royal mummy
397448 | Zig:23   | Noticed a royal mummy
397448 | Zig:23   | Noticed a royal mummy
397448 | Zig:23   | Noticed a royal mummy
397448 | Zig:23   | Noticed a royal mummy
397448 | Zig:23   | Noticed a royal mummy
397448 | Zig:23   | Noticed a royal mummy
397448 | Zig:23   | Noticed a royal mummy
397448 | Zig:23   | Noticed a royal mummy
397448 | Zig:23   | Noticed a royal mummy
397448 | Zig:23   | Noticed a royal mummy
397448 | Zig:23   | Noticed a royal mummy
397448 | Zig:23   | Noticed a royal mummy
397448 | Zig:23   | Noticed a royal mummy
397449 | Zig:23   | Killed a royal mummy
397449 | Zig:23   | Killed a royal mummy
397449 | Zig:23   | Killed a royal mummy
397449 | Zig:23   | Killed a royal mummy
397449 | Zig:23   | Killed a royal mummy
397449 | Zig:23   | Killed a royal mummy
397449 | Zig:23   | Killed a royal mummy
397449 | Zig:23   | Killed a royal mummy
397449 | Zig:23   | Killed a royal mummy
397449 | Zig:23   | Killed a royal mummy
397450 | Zig:23   | Noticed a royal mummy
397450 | Zig:23   | Noticed a royal mummy
397452 | Zig:23   | Noticed a royal mummy
397452 | Zig:23   | Noticed a royal mummy
397453 | Zig:23   | Noticed a royal mummy
397453 | Zig:23   | Noticed a royal mummy
397453 | Zig:23   | Noticed a royal mummy
397453 | Zig:23   | Noticed a royal mummy
397453 | Zig:23   | Noticed a royal mummy
397453 | Zig:23   | Noticed a royal mummy
397453 | Zig:23   | Killed a royal mummy
397453 | Zig:23   | Killed a royal mummy
397453 | Zig:23   | Noticed a royal mummy
397453 | Zig:23   | Noticed a royal mummy
397454 | Zig:23   | Noticed a royal mummy
397454 | Zig:23   | Noticed a royal mummy
397454 | Zig:23   | Noticed a royal mummy
397454 | Zig:23   | Noticed a royal mummy
397454 | Zig:23   | Killed a royal mummy
397454 | Zig:23   | Killed a royal mummy
397454 | Zig:23   | Killed a royal mummy
397454 | Zig:23   | Noticed a royal mummy
397456 | Zig:23   | Noticed a royal mummy
397456 | Zig:23   | Noticed a royal mummy
397456 | Zig:23   | Noticed a royal mummy
397456 | Zig:23   | Noticed a royal mummy
397461 | Zig:23   | Noticed a royal mummy
397461 | Zig:23   | Noticed a royal mummy
397462 | Zig:23   | Killed a royal mummy
397462 | Zig:23   | Killed a royal mummy
397462 | Zig:23   | Killed a royal mummy
397462 | Zig:23   | Killed a royal mummy
397462 | Zig:23   | Killed a royal mummy
397462 | Zig:23   | Killed a royal mummy
397462 | Zig:23   | Killed a royal mummy
397462 | Zig:23   | Killed a royal mummy
397462 | Zig:23   | Killed a royal mummy
397462 | Zig:23   | Killed a royal mummy
397462 | Zig:23   | Killed a royal mummy
397462 | Zig:23   | Killed a royal mummy
397462 | Zig:23   | Killed a royal mummy
397462 | Zig:23   | Killed a royal mummy
397462 | Zig:23   | Killed a royal mummy
397462 | Zig:23   | Killed a royal mummy
397462 | Zig:23   | Killed a royal mummy
397462 | Zig:23   | Killed a royal mummy
397462 | Zig:23   | Killed a royal mummy
397464 | Zig:23   | Noticed a royal mummy
397464 | Zig:23   | Noticed a royal mummy
397464 | Zig:23   | Noticed a royal mummy
397464 | Zig:23   | Noticed a royal mummy
397464 | Zig:23   | Noticed a royal mummy
397464 | Zig:23   | Noticed a royal mummy
397464 | Zig:23   | Noticed a royal mummy
397465 | Zig:23   | Noticed a royal mummy
397465 | Zig:23   | Noticed a royal mummy
397465 | Zig:23   | Noticed a royal mummy
397465 | Zig:23   | Noticed a royal mummy
397466 | Zig:23   | Noticed a royal mummy
397466 | Zig:23   | Noticed a royal mummy
397466 | Zig:23   | Killed a royal mummy
397466 | Zig:23   | Noticed a royal mummy
397467 | Zig:23   | Noticed a royal mummy
397467 | Zig:23   | Noticed a royal mummy
397467 | Zig:23   | Noticed a royal mummy
397467 | Zig:23   | Killed a royal mummy
397467 | Zig:23   | Killed a royal mummy
397468 | Zig:23   | Noticed a royal mummy
397468 | Zig:23   | Noticed a royal mummy
397469 | Zig:23   | Noticed a royal mummy
397469 | Zig:23   | Noticed a royal mummy
397470 | Zig:23   | Killed a royal mummy
397470 | Zig:23   | Killed a royal mummy
397470 | Zig:23   | Killed a royal mummy
397470 | Zig:23   | Killed a royal mummy
397470 | Zig:23   | Killed a royal mummy
397470 | Zig:23   | Killed a royal mummy
397470 | Zig:23   | Killed a royal mummy
397470 | Zig:23   | Killed a royal mummy
397470 | Zig:23   | Killed a royal mummy
397470 | Zig:23   | Killed a royal mummy
397470 | Zig:23   | Killed a royal mummy
397470 | Zig:23   | Killed a royal mummy
397470 | Zig:23   | Killed a royal mummy
397470 | Zig:23   | Killed a royal mummy
397470 | Zig:23   | Killed a royal mummy
397470 | Zig:23   | Killed a royal mummy
397470 | Zig:23   | Killed a royal mummy
397470 | Zig:23   | Noticed a royal mummy
397470 | Zig:23   | Noticed a royal mummy
397470 | Zig:23   | Noticed a royal mummy
397471 | Zig:23   | Killed a royal mummy
397471 | Zig:23   | Killed a royal mummy
397471 | Zig:23   | Killed a royal mummy
397471 | Zig:23   | Noticed a royal mummy
397471 | Zig:23   | Noticed a royal mummy
397472 | Zig:23   | Killed a royal mummy
397472 | Zig:23   | Killed a royal mummy
397472 | Zig:23   | Noticed a royal mummy
397472 | Zig:23   | Noticed a royal mummy
397472 | Zig:23   | Noticed a royal mummy
397472 | Zig:23   | Noticed a royal mummy
397473 | Zig:23   | Killed a royal mummy
397473 | Zig:23   | Killed a royal mummy
397473 | Zig:23   | Noticed a royal mummy
397473 | Zig:23   | Noticed a royal mummy
397473 | Zig:23   | Noticed a royal mummy
397473 | Zig:23   | Noticed a royal mummy
397474 | Zig:23   | Noticed a royal mummy
397475 | Zig:23   | Noticed a royal mummy
397475 | Zig:23   | Noticed a royal mummy
397475 | Zig:23   | Noticed a royal mummy
397476 | Zig:23   | Noticed a royal mummy
397476 | Zig:23   | Noticed a royal mummy
397476 | Zig:23   | Noticed a royal mummy
397476 | Zig:23   | Noticed a royal mummy
397477 | Zig:23   | Noticed a royal mummy
397477 | Zig:23   | Killed a royal mummy
397477 | Zig:23   | Noticed a royal mummy
397478 | Zig:23   | Noticed a royal mummy
397478 | Zig:23   | Noticed a royal mummy
397478 | Zig:23   | Noticed a royal mummy
397478 | Zig:23   | Noticed a royal mummy
397478 | Zig:23   | Killed a royal mummy
397478 | Zig:23   | Noticed a royal mummy
397479 | Zig:23   | Killed a royal mummy
397479 | Zig:23   | Killed a royal mummy
397479 | Zig:23   | Killed a royal mummy
397479 | Zig:23   | Killed a royal mummy
397479 | Zig:23   | Killed a royal mummy
397479 | Zig:23   | Killed a royal mummy
397479 | Zig:23   | Killed a royal mummy
397479 | Zig:23   | Killed a royal mummy
397479 | Zig:23   | Killed a royal mummy
397479 | Zig:23   | Killed a royal mummy
397479 | Zig:23   | Killed a royal mummy
397479 | Zig:23   | Killed a royal mummy
397479 | Zig:23   | Lost dexterity.
397479 | Zig:23   | Killed a royal mummy
397480 | Zig:23   | Noticed a royal mummy
397480 | Zig:23   | Noticed a royal mummy
397481 | Zig:23   | Killed a royal mummy
397481 | Zig:23   | Killed a royal mummy
397481 | Zig:23   | Killed a royal mummy
397481 | Zig:23   | Killed a royal mummy
397481 | Zig:23   | Killed a royal mummy
397481 | Zig:23   | Killed a royal mummy
397481 | Zig:23   | Killed a royal mummy
397481 | Zig:23   | Killed a royal mummy
397481 | Zig:23   | Noticed a royal mummy
397481 | Zig:23   | Noticed a royal mummy
397481 | Zig:23   | Noticed a royal mummy
397482 | Zig:23   | Noticed a royal mummy
397482 | Zig:23   | Noticed a royal mummy
397482 | Zig:23   | Noticed a royal mummy
397483 | Zig:23   | Noticed a royal mummy
397484 | Zig:23   | Killed a royal mummy
397484 | Zig:23   | Killed a royal mummy
397484 | Zig:23   | Killed a royal mummy
397484 | Zig:23   | Noticed a royal mummy
397485 | Zig:23   | Killed a royal mummy
397485 | Zig:23   | Killed a royal mummy
397485 | Zig:23   | Killed a royal mummy
397485 | Zig:23   | Killed a royal mummy
397485 | Zig:23   | Killed a royal mummy
397485 | Zig:23   | Killed a royal mummy
397485 | Zig:23   | Noticed a royal mummy
397486 | Zig:23   | Killed a royal mummy
397486 | Zig:23   | Noticed a royal mummy
397487 | Zig:23   | Killed a royal mummy
397487 | Zig:23   | Noticed a royal mummy
397489 | Zig:23   | Killed a royal mummy
397491 | Zig:23   | Noticed a royal mummy
397492 | Zig:23   | Killed a royal mummy
397492 | Zig:23   | Killed a royal mummy
397493 | Zig:23   | Killed a royal mummy
397494 | Zig:23   | Killed a royal mummy
397881 | Zig:23   | Identified the staff of conjuration "Ucreo" {Int+4}
397900 | Zig:23   | Identified the +0 mace of Disgust {elec, MP+9 Int+3 SInv}
397901 | Zig:23   | Identified the staff of death "Zeafoymmu" {rF+ rN+ Int+3
                  | Dex+3}
397913 | Zig:23   | Identified the ring "Wiw Liaf" {EV+5 SInv}
398635 | Zig:24   | Entered Level 24 of a ziggurat
398635 | Zig:24   | Noticed an ancient lich
398635 | Zig:24   | Noticed a royal mummy
398635 | Zig:24   | Noticed a royal mummy
398635 | Zig:24   | Noticed a royal mummy
398635 | Zig:24   | Noticed a royal mummy
398635 | Zig:24   | Noticed a royal mummy
398635 | Zig:24   | Noticed a royal mummy
398635 | Zig:24   | Noticed a royal mummy
398635 | Zig:24   | Noticed a royal mummy
398635 | Zig:24   | Noticed a royal mummy
398635 | Zig:24   | Noticed a royal mummy
398635 | Zig:24   | Noticed a royal mummy
398635 | Zig:24   | Noticed a royal mummy
398635 | Zig:24   | Noticed a royal mummy
398635 | Zig:24   | Noticed a royal mummy
398636 | Zig:24   | Killed a royal mummy
398636 | Zig:24   | Killed an ancient lich
398636 | Zig:24   | Killed a royal mummy
398636 | Zig:24   | Killed a royal mummy
398636 | Zig:24   | Killed a royal mummy
398636 | Zig:24   | Killed a royal mummy
398636 | Zig:24   | Killed a royal mummy
398636 | Zig:24   | Killed a royal mummy
398636 | Zig:24   | Killed a royal mummy
398636 | Zig:24   | Killed a royal mummy
398636 | Zig:24   | Killed a royal mummy
398636 | Zig:24   | Killed a royal mummy
398636 | Zig:24   | Killed a royal mummy
398636 | Zig:24   | Killed a royal mummy
398636 | Zig:24   | Noticed a royal mummy
398638 | Zig:24   | Noticed a royal mummy
398638 | Zig:24   | Noticed a royal mummy
398639 | Zig:24   | Noticed a royal mummy
398640 | Zig:24   | Killed a royal mummy
398640 | Zig:24   | Killed a royal mummy
398640 | Zig:24   | Killed a royal mummy
398640 | Zig:24   | Killed a royal mummy
398641 | Zig:24   | Noticed a royal mummy
398641 | Zig:24   | Noticed a royal mummy
398642 | Zig:24   | Killed a royal mummy
398642 | Zig:24   | Killed a royal mummy
398643 | Zig:24   | Killed a royal mummy
398643 | Zig:24   | Killed a royal mummy
398644 | Zig:24   | Noticed a royal mummy
398644 | Zig:24   | Noticed a royal mummy
398651 | Zig:24   | Killed a royal mummy
398651 | Zig:24   | Killed a royal mummy
398653 | Zig:24   | Noticed a royal mummy
398653 | Zig:24   | Noticed a royal mummy
398653 | Zig:24   | Noticed a royal mummy
398653 | Zig:24   | Noticed a royal mummy
398654 | Zig:24   | Killed a royal mummy
398654 | Zig:24   | Killed a royal mummy
398654 | Zig:24   | Noticed a royal mummy
398654 | Zig:24   | Noticed a royal mummy
398655 | Zig:24   | Noticed a royal mummy
398656 | Zig:24   | Killed a royal mummy
398656 | Zig:24   | Noticed a royal mummy
398656 | Zig:24   | Noticed a royal mummy
398657 | Zig:24   | Noticed a royal mummy
398658 | Zig:24   | Killed a royal mummy
398658 | Zig:24   | Killed a royal mummy
398658 | Zig:24   | Killed a royal mummy
398659 | Zig:24   | Noticed a royal mummy
398659 | Zig:24   | Noticed a royal mummy
398660 | Zig:24   | Noticed a royal mummy
398660 | Zig:24   | Noticed a royal mummy
398660 | Zig:24   | Noticed a royal mummy
398660 | Zig:24   | Noticed a royal mummy
398661 | Zig:24   | Noticed a royal mummy
398661 | Zig:24   | Killed a royal mummy
398661 | Zig:24   | Killed a royal mummy
398661 | Zig:24   | Killed a royal mummy
398661 | Zig:24   | Noticed a royal mummy
398662 | Zig:24   | Noticed a royal mummy
398663 | Zig:24   | Killed a royal mummy
398663 | Zig:24   | Noticed a royal mummy
398663 | Zig:24   | Noticed a royal mummy
398664 | Zig:24   | Killed a royal mummy
398664 | Zig:24   | Killed a royal mummy
398664 | Zig:24   | Killed a royal mummy
398664 | Zig:24   | Lost dexterity.
398664 | Zig:24   | Killed a royal mummy
398664 | Zig:24   | Noticed a royal mummy
398664 | Zig:24   | Noticed a royal mummy
398665 | Zig:24   | Killed a royal mummy
398665 | Zig:24   | Noticed a royal mummy
398665 | Zig:24   | Noticed a royal mummy
398666 | Zig:24   | Noticed a royal mummy
398666 | Zig:24   | Noticed a royal mummy
398666 | Zig:24   | Killed a royal mummy
398666 | Zig:24   | Noticed a royal mummy
398666 | Zig:24   | Noticed a royal mummy
398666 | Zig:24   | Noticed a royal mummy
398666 | Zig:24   | Noticed a royal mummy
398666 | Zig:24   | Noticed a royal mummy
398667 | Zig:24   | Killed a royal mummy
398667 | Zig:24   | Killed a royal mummy
398667 | Zig:24   | Killed a royal mummy
398667 | Zig:24   | Killed a royal mummy
398667 | Zig:24   | Killed a royal mummy
398667 | Zig:24   | Killed a royal mummy
398667 | Zig:24   | Killed a royal mummy
398667 | Zig:24   | Killed a royal mummy
398667 | Zig:24   | Killed a royal mummy
398667 | Zig:24   | Killed a royal mummy
398667 | Zig:24   | Killed a royal mummy
398667 | Zig:24   | Noticed a royal mummy
398668 | Zig:24   | Killed a royal mummy
398668 | Zig:24   | Killed a royal mummy
398668 | Zig:24   | Noticed a royal mummy
398668 | Zig:24   | Noticed a royal mummy
398668 | Zig:24   | Noticed a royal mummy
398668 | Zig:24   | Noticed a royal mummy
398668 | Zig:24   | Noticed a royal mummy
398669 | Zig:24   | Noticed a royal mummy
398670 | Zig:24   | Noticed a royal mummy
398672 | Zig:24   | Noticed a royal mummy
398672 | Zig:24   | Noticed a royal mummy
398672 | Zig:24   | Noticed a royal mummy
398672 | Zig:24   | Noticed a royal mummy
398672 | Zig:24   | Noticed a royal mummy
398672 | Zig:24   | Noticed a royal mummy
398672 | Zig:24   | Noticed a royal mummy
398672 | Zig:24   | Noticed a royal mummy
398672 | Zig:24   | Noticed a royal mummy
398673 | Zig:24   | Noticed a royal mummy
398673 | Zig:24   | Killed a royal mummy
398673 | Zig:24   | Killed a royal mummy
398675 | Zig:24   | Killed a royal mummy
398675 | Zig:24   | Killed a royal mummy
398675 | Zig:24   | Killed a royal mummy
398675 | Zig:24   | Killed a royal mummy
398675 | Zig:24   | Killed a royal mummy
398675 | Zig:24   | Killed a royal mummy
398675 | Zig:24   | Killed a royal mummy
398675 | Zig:24   | Killed a royal mummy
398675 | Zig:24   | Killed a royal mummy
398676 | Zig:24   | Noticed a royal mummy
398676 | Zig:24   | Killed a royal mummy
398676 | Zig:24   | Killed a royal mummy
398677 | Zig:24   | Killed a royal mummy
398677 | Zig:24   | Killed a royal mummy
398677 | Zig:24   | Killed a royal mummy
398677 | Zig:24   | Killed a royal mummy
398677 | Zig:24   | Noticed a royal mummy
398677 | Zig:24   | Noticed a royal mummy
398678 | Zig:24   | Noticed a royal mummy
398678 | Zig:24   | Noticed a royal mummy
398679 | Zig:24   | Noticed a royal mummy
398679 | Zig:24   | Noticed a royal mummy
398679 | Zig:24   | Noticed a royal mummy
398680 | Zig:24   | Killed a royal mummy
398680 | Zig:24   | Killed a royal mummy
398680 | Zig:24   | Killed a royal mummy
398680 | Zig:24   | Killed a royal mummy
398680 | Zig:24   | Killed a royal mummy
398680 | Zig:24   | Killed a royal mummy
398680 | Zig:24   | Killed a royal mummy
398680 | Zig:24   | Killed a royal mummy
398680 | Zig:24   | Killed a royal mummy
398680 | Zig:24   | Noticed a royal mummy
398680 | Zig:24   | Noticed a royal mummy
398681 | Zig:24   | Killed a royal mummy
398681 | Zig:24   | Killed a royal mummy
398681 | Zig:24   | Killed a royal mummy
398681 | Zig:24   | Killed a royal mummy
398682 | Zig:24   | Noticed a royal mummy
398682 | Zig:24   | Noticed a royal mummy
398682 | Zig:24   | Noticed a royal mummy
398683 | Zig:24   | Noticed a royal mummy
398683 | Zig:24   | Noticed a royal mummy
398683 | Zig:24   | Noticed a royal mummy
398684 | Zig:24   | Noticed a royal mummy
398684 | Zig:24   | Noticed a royal mummy
398686 | Zig:24   | Noticed a royal mummy
398688 | Zig:24   | Killed a royal mummy
398688 | Zig:24   | Killed a royal mummy
398688 | Zig:24   | Killed a royal mummy
398688 | Zig:24   | Killed a royal mummy
398688 | Zig:24   | Killed a royal mummy
398688 | Zig:24   | Killed a royal mummy
398689 | Zig:24   | Killed a royal mummy
398689 | Zig:24   | Killed a royal mummy
398689 | Zig:24   | Killed a royal mummy
398689 | Zig:24   | Killed a royal mummy
398689 | Zig:24   | Noticed a royal mummy
398690 | Zig:24   | Noticed a royal mummy
398691 | Zig:24   | Noticed a royal mummy
398691 | Zig:24   | Noticed a royal mummy
398691 | Zig:24   | Noticed a royal mummy
398693 | Zig:24   | Noticed a royal mummy
398693 | Zig:24   | Noticed a royal mummy
398694 | Zig:24   | Noticed a royal mummy
398694 | Zig:24   | Noticed a royal mummy
398695 | Zig:24   | Killed a royal mummy
398696 | Zig:24   | Killed a royal mummy
398697 | Zig:24   | Killed a royal mummy
398697 | Zig:24   | Killed a royal mummy
398697 | Zig:24   | Killed a royal mummy
398698 | Zig:24   | Killed a royal mummy
398698 | Zig:24   | Killed a royal mummy
398698 | Zig:24   | Killed a royal mummy
398701 | Zig:24   | Killed a royal mummy
398701 | Zig:24   | Killed a royal mummy
398702 | Zig:24   | Noticed a royal mummy
398706 | Zig:24   | Killed a royal mummy
399486 | Zig:24   | Identified the +6 falchion "Miowniwk" {heavy, rC+ MP+9}
399488 | Zig:24   | Identified the +1 robe of Naygh {rPois Int+6 Dex-4
                  | Archmagi}
399490 | Zig:24   | Identified the ring "Luedil" {rC+ Will++ Dex+6}
399491 | Zig:24   | Identified the +6 spear of Sururo {protect, Will+ Str+2
                  | Stlth+}
399505 | Zig:24   | Identified the +3 hand axe of Gung {heavy, rPois Int+5}
399506 | Zig:24   | Identified the ring "Ullua" {Fire Will+ Dex+2}
399511 | Zig:24   | Identified the +1 whip of Namy {venom, rF+ Str+2 SInv}
399518 | Zig:24   | Identified the staff of death "Pufraor" {rN+ rCorr Dex+2}
399519 | Zig:24   | Identified the staff of poison "Pidolu" {rPois rF++}
399542 | Zig:24   | Identified the +4 hand axe "Otwoaneg" {freeze, +Blink Will-
                  | rCorr Int+8}
399562 | Zig:24   | Identified the ring of Enkon {*Corrode rC+ Dex+4}
399565 | Zig:24   | Identified the +1 leather armour of Hapn {Harm Fly rN+
                  | Int-2}
399577 | Zig:24   | Identified the +5 short sword of Tender Mercy {holy, rPois}
399650 | Zig:25   | Entered Level 25 of a ziggurat
399935 | Zig:25   | Identified the +1 dagger of the Nice God {heavy, rC+ Str+3
                  | Dex+6}
399939 | Zig:25   | Identified the staff of fire "Nejof" {Fragile rF+ rN++
                  | Dex+5}
399943 | Zig:25   | Identified the +1 long sword of Loen {freeze, rPois Int+4
                  | Dex+3 Stlth-}
399950 | Zig:25   | Identified the ring of Miur {rC- EV+5 Int+4 Dex+4}
400801 | Zig:25   | Identified the amulet of Osmoof {Acrobat rElec rCorr Str+7
                  | Int-2}
400806 | Zig:25   | Identified the ring of Jagiutse {Fire rPois}
400809 | Zig:25   | Identified the +4 falchion of Foul Odours {elec, rElec}
400810 | Zig:25   | Identified the ring "Qibass" {rPois Int+3 Dex+3}
400814 | Zig:25   | Identified the +1 arbalest "Duhyog" {penet, Fragile rElec
                  | Dex+4}
400894 | Zig:26   | Entered Level 26 of a ziggurat
401087 | Zig:26   | Noticed Hoevuepa the pandemonium lord
401095 | Zig:26   | Killed Hoevuepa the pandemonium lord
401765 | Zig:26   | Identified the +10 rapier of the Weasel {heavy, rPois rC+
                  | rCorr Int-2}
401772 | Zig:26   | Identified the staff of fire "Huwomp" {Contam rElec rF+
                  | rCorr Dex+2}
401777 | Zig:26   | Identified the ring "Foffal" {Fly Will+}
401786 | Zig:26   | Identified the staff of cold "Ismaoc" {rF- rC+ rCorr Str+7
                  | Dex-5}
401788 | Zig:26   | Identified the +0 plate armour of Kleptomania {rN+ Int+2}
401790 | Zig:26   | Identified the +0 chain mail of Dishonesty {Str+4 Int-3
                  | Dex+3}
401792 | Zig:26   | Identified the +9 arbalest "Kodwub" {freeze, rC+ Will+}
401794 | Zig:26   | Identified the +7 trident of the Hells {protect, Int+4
                  | Dex+3}
401799 | Zig:26   | Identified the +2 robe "Ymikett" {Dex+4}
401807 | Zig:26   | Identified the staff of conjuration "Tajotuo" {*Corrode
                  | rN++ Will+++ Stlth-}
401814 | Zig:26   | Identified the +8 shortbow of Caanuf {speed, +Blink rElec
                  | rPois Int+4}
401837 | Zig:26   | Identified the ring "Pabo" {Fly MP-9 Str-5 Dex+6 SInv}
401855 | Zig:26   | Identified the staff of air "Fiosmihim" {*Slow rElec MP+9
                  | Dex+4 SInv}
401857 | Zig:26   | Identified the +8 chain mail "Giniwe" {Rampage Dex+3}
401864 | Zig:26   | Identified the ring of Zureybat {Wiz rPois rF- Str+4 Dex-4}
401866 | Zig:26   | Identified the +6 flail of Iqecit {heavy, SInv}
401878 | Zig:26   | Identified the +3 scale mail of the Equator {rF+ Int+3}
401915 | Zig:27   | Entered Level 27 of a ziggurat
402188 | Zig:27   | Identified the +1 shortbow of Nadut {freeze, rF+++ rC+}
402199 | Zig:27   | Identified the +4 shortbow "Orb Guardian's Curse" {elec,
                  | Dex+6}
402211 | Zig:27   | Identified the staff of earth "Jeimnadda" {Dex+3 Stlth+}
402216 | Zig:27   | Identified the amulet of the Yeti {+Blink rN+ Regen+}
402221 | Zig:27   | Identified the +8 dagger of the Pit {freeze, rF+++ rCorr
                  | Int-5 Dex-2}
402225 | Zig:27   | Identified the ring of Datyipt {rPois rN+ rCorr}
402229 | Zig:27   | Identified the +3 morningstar "Xisazirph" {venom, *Slow
                  | Fragile rF+++ Stlth+}
402231 | Zig:27   | Identified the staff of poison "Kuuss" {Fly rPois MP+9
                  | Str+3 Dex-4}
402233 | Zig:27   | Identified the +9 short sword of Indomitability {venom,
                  | rElec rPois}
402244 | Zig:27   | Identified the staff of cold "Agoidaem" {rPois rC+}
402281 | Zig:27   | Identified the staff of air "Veafo" {rElec Int+3}
402301 | Zig:27   | Identified the amulet of Bigh {RegenMP rElec rCorr SInv
                  | Stlth-}
402315 | Zig:27   | Identified the staff of conjuration "Tarasha" {MP-9 Str+5
                  | Dex+2}
402874 | Zig:27   | Identified the +8 hand axe of Impatience {heavy, *Noise
                  | Will+ Str+4 Int+3}
402882 | Zig:27   | Identified the staff of earth "Nyanan" {Will+ Int+4 Stlth+}
402883 | Zig:27   | Identified the staff of conjuration "Ywilotos" {Will+ Str+3
                  | Int-5}
402885 | Zig:27   | Identified the ring "Filuga" {rPois rN+ Dex+3}
403136 | Zig:1    | Entered Level 1 of a ziggurat
403136 | Zig:1    | Noticed an ancient lich
403136 | Zig:1    | Noticed an ancient lich
403137 | Zig:1    | Killed an ancient lich
403138 | Zig:1    | Killed an ancient lich
403275 | Zig:2    | Entered Level 2 of a ziggurat
403480 | Zig:2    | Identified the +1 kite shield of Hubris {rC+}
403510 | Zig:2    | Identified the staff of air "Vaqiuceo" {rElec rPois rN++
                  | rCorr}
403544 | Zig:3    | Entered Level 3 of a ziggurat
403821 | Zig:4    | Entered Level 4 of a ziggurat
403821 | Zig:4    | Noticed an ancient lich
403821 | Zig:4    | Noticed a dread lich
403821 | Zig:4    | Noticed a dread lich
403821 | Zig:4    | Noticed a dread lich
403821 | Zig:4    | Noticed an ancient lich
403821 | Zig:4    | Noticed an ancient lich
403821 | Zig:4    | Noticed an ancient lich
403821 | Zig:4    | Noticed an ancient lich
403822 | Zig:4    | Killed a dread lich
403822 | Zig:4    | Killed a dread lich
403822 | Zig:4    | Killed a dread lich
403822 | Zig:4    | Killed an ancient lich
403822 | Zig:4    | Noticed a dread lich
403823 | Zig:4    | Killed an ancient lich
403823 | Zig:4    | Killed an ancient lich
403823 | Zig:4    | Killed an ancient lich
403823 | Zig:4    | Killed an ancient lich
403827 | Zig:4    | Killed a dread lich
404029 | Zig:4    | Identified the ring of Irurph {Fly rN+}
404031 | Zig:4    | Identified the +6 hand axe of Circularity {freeze, rElec}
404034 | Zig:4    | Identified the +5 war axe "Kutunk" {heavy, *Slow Will++
                  | rCorr MP+9}
404036 | Zig:4    | Identified the +5 spear "Leviticus" {venom, rPois Dex+4}
404077 | Zig:5    | Entered Level 5 of a ziggurat
404265 | Zig:5    | Identified the ring "Soonoigro" {Contam rF+ rC+ Dex+3}
404301 | Zig:6    | Entered Level 6 of a ziggurat
404604 | Zig:6    | Identified the +7 arbalest "Noeq" {heavy, +Blink rCorr
                  | Str-2 Int+4 SInv}
404691 | Zig:7    | Entered Level 7 of a ziggurat
404808 | Zig:7    | Identified the staff of poison "Peunn" {rPois rC+ rCorr
                  | Str-2 Dex+2}
404853 | Zig:7    | Identified the +7 short sword of the Ring {heavy, rElec rF-
                  | Dex+3}
405065 | Zig:8    | Entered Level 8 of a ziggurat
405365 | Zig:8    | Identified the +7 halberd of Bodily Harmony {flame, rElec}
405377 | Zig:8    | Identified the ring of Prescription {rElec rC++ MP+9 Slay+4
                  | SInv}
405453 | Zig:9    | Entered Level 9 of a ziggurat
405453 | Zig:9    | Noticed Janeylunn's ghost (veteran GnWn)
405453 | Zig:9    | Noticed grandjackal's ghost (legendary DsGl)
405453 | Zig:9    | Noticed Haitsiopt's ghost (legendary DsGl)
405453 | Zig:9    | Noticed corvin's ghost (legendary OgWn)
405453 | Zig:9    | Noticed Uhosoup's ghost (veteran GrFi)
405453 | Zig:9    | Noticed Zoplarin's ghost (legendary BaSk)
405453 | Zig:9    | Noticed Xutext's ghost (adept DsAK)
405453 | Zig:9    | Noticed Qeilemp's ghost (legendary HOFi)
405453 | Zig:9    | Noticed agentgt's ghost (legendary MiCK)
405453 | Zig:9    | Noticed Dittersdorf's ghost (legendary MiBe)
405453 | Zig:9    | Noticed Xorhowon's ghost (legendary MiBe)
405453 | Zig:9    | Noticed Piginabag's ghost (veteran GnMo)
405453 | Zig:9    | Noticed Talannal's ghost (legendary GnHW)
405453 | Zig:9    | Noticed sleeves's ghost (legendary DsFi)
405453 | Zig:9    | Noticed meatyocre's ghost (veteran TrFi)
405453 | Zig:9    | Noticed Ecsetopt's ghost (legendary BaWn)
405453 | Zig:9    | Noticed Walil's ghost (veteran MiMo)
405453 | Zig:9    | Noticed Himmaryad's ghost (adept TrMo)
405453 | Zig:9    | Noticed runemage's ghost (legendary GnFi)
405453 | Zig:9    | Noticed heteroy's ghost (legendary DsHu)
405453 | Zig:9    | Noticed Jargh's ghost (legendary FoFi)
405453 | Zig:9    | Noticed Becvyf's ghost (legendary GnFi)
405453 | Zig:9    | Noticed Fugi's ghost (legendary FoFi)
405453 | Zig:9    | Noticed Xuqyot's ghost (legendary DsFi)
405453 | Zig:9    | Noticed sleeves's ghost (legendary DsFi)
405453 | Zig:9    | Noticed Likado's ghost (legendary GnSk)
405453 | Zig:9    | Noticed corvin's ghost (legendary OgWn)
405453 | Zig:9    | Noticed Evehuixoju's ghost (legendary VSFi)
405453 | Zig:9    | Noticed ragingrage's ghost (legendary OpFE)
405453 | Zig:9    | Noticed TuffENuff's ghost (legendary FoFi)
405453 | Zig:9    | Noticed Totuz's ghost (legendary HOFi)
405453 | Zig:9    | Noticed Jeklifit's ghost (legendary FoFi)
405453 | Zig:9    | Noticed MrChinwatt's ghost (legendary DsWn)
405453 | Zig:9    | Noticed meatyocre's ghost (veteran TrFi)
405453 | Zig:9    | Noticed Piginabag's ghost (veteran GnMo)
405453 | Zig:9    | Noticed Amikeex's ghost (adept TrMo)
405454 | Zig:9    | Killed Xutext's ghost
405454 | Zig:9    | Killed Walil's ghost
405455 | Zig:9    | Noticed thechecker02's ghost (master DDFi)
405455 | Zig:9    | Noticed Qeilemp's ghost (legendary HOFi)
405455 | Zig:9    | Noticed Fenir's ghost (legendary GnAE)
405457 | Zig:9    | Noticed Pohawk's ghost (adept MiGl)
405457 | Zig:9    | Killed Becvyf's ghost
405458 | Zig:9    | Killed TuffENuff's ghost
405458 | Zig:9    | Killed ragingrage's ghost
405458 | Zig:9    | Killed heteroy's ghost
405458 | Zig:9    | Killed meatyocre's ghost
405458 | Zig:9    | Killed Talannal's ghost
405458 | Zig:9    | Killed Fugi's ghost
405458 | Zig:9    | Killed Dittersdorf's ghost
405458 | Zig:9    | Killed Himmaryad's ghost
405458 | Zig:9    | Killed Zoplarin's ghost
405458 | Zig:9    | Killed Uhosoup's ghost
405458 | Zig:9    | Killed Piginabag's ghost
405458 | Zig:9    | Noticed Viugiw's ghost (legendary TeBe)
405458 | Zig:9    | Noticed GlasyaLabolas's ghost (legendary MiFi)
405459 | Zig:9    | Noticed Anafel's ghost (legendary GrFi)
405459 | Zig:9    | Killed Jeklifit's ghost
405459 | Zig:9    | Killed sleeves's ghost
405459 | Zig:9    | Killed Totuz's ghost
405459 | Zig:9    | Killed sleeves's ghost
405459 | Zig:9    | Killed corvin's ghost
405459 | Zig:9    | Noticed Polaczum's ghost (adept TrMo)
405459 | Zig:9    | Noticed Teaz Xo Upt's ghost (legendary GnFE)
405460 | Zig:9    | Noticed frimble's ghost (legendary DsFi)
405460 | Zig:9    | Killed Evehuixoju's ghost
405460 | Zig:9    | Killed agentgt's ghost
405460 | Zig:9    | Killed Amikeex's ghost
405460 | Zig:9    | Killed Xorhowon's ghost
405460 | Zig:9    | Killed meatyocre's ghost
405460 | Zig:9    | Killed Piginabag's ghost
405460 | Zig:9    | Killed Ecsetopt's ghost
405461 | Zig:9    | Killed Jargh's ghost
405461 | Zig:9    | Killed MrChinwatt's ghost
405461 | Zig:9    | Killed Qeilemp's ghost
405461 | Zig:9    | Noticed Janeylunn's ghost (veteran GnWn)
405461 | Zig:9    | Noticed SevenDeadlySins's ghost (legendary DrCj)
405461 | Zig:9    | Noticed Evehuixoju's ghost (legendary VSFi)
405462 | Zig:9    | Noticed Xorhowon's ghost (legendary MiBe)
405462 | Zig:9    | Noticed Zachydoop's ghost (veteran MiGl)
405462 | Zig:9    | Noticed Waohesse's ghost (legendary VSFi)
405462 | Zig:9    | Noticed Giojuova's ghost (legendary GnBe)
405462 | Zig:9    | Killed Fenir's ghost
405462 | Zig:9    | Killed corvin's ghost
405462 | Zig:9    | Killed Viugiw's ghost
405462 | Zig:9    | Noticed BerryKnight's ghost (legendary DgFi)
405463 | Zig:9    | Killed Haitsiopt's ghost
405463 | Zig:9    | Killed Qeilemp's ghost
405463 | Zig:9    | Killed Xuqyot's ghost
405463 | Zig:9    | Killed Janeylunn's ghost
405463 | Zig:9    | Killed runemage's ghost
405464 | Zig:9    | Killed grandjackal's ghost
405464 | Zig:9    | Killed Likado's ghost
405464 | Zig:9    | Killed Teaz Xo Upt's ghost
405464 | Zig:9    | Killed Polaczum's ghost
405464 | Zig:9    | Noticed Giojuova's ghost (legendary GnBe)
405464 | Zig:9    | Noticed frimble's ghost (legendary DsFi)
405464 | Zig:9    | Noticed Walil's ghost (veteran MiMo)
405464 | Zig:9    | Noticed yaoilover's ghost (veteran MiBe)
405465 | Zig:9    | Noticed Haitsiopt's ghost (legendary DsGl)
405466 | Zig:9    | Noticed Piginabag's ghost (veteran GnMo)
405466 | Zig:9    | Killed GlasyaLabolas's ghost
405466 | Zig:9    | Killed Evehuixoju's ghost
405467 | Zig:9    | Killed Janeylunn's ghost
405467 | Zig:9    | Killed Piginabag's ghost
405467 | Zig:9    | Killed thechecker02's ghost
405467 | Zig:9    | Noticed Dittersdorf's ghost (legendary MiBe)
405467 | Zig:9    | Noticed Zachydoop's ghost (veteran MiMo)
405468 | Zig:9    | Noticed Talannal's ghost (legendary GnHW)
405468 | Zig:9    | Killed Anafel's ghost
405468 | Zig:9    | Killed Walil's ghost
405468 | Zig:9    | Killed Pohawk's ghost
405468 | Zig:9    | Killed yaoilover's ghost
405468 | Zig:9    | Killed Giojuova's ghost
405468 | Zig:9    | Killed Giojuova's ghost
405468 | Zig:9    | Killed frimble's ghost
405468 | Zig:9    | Killed frimble's ghost
405468 | Zig:9    | Noticed blexxed's ghost (legendary DsFi)
405468 | Zig:9    | Noticed Pohawk's ghost (adept MiGl)
405469 | Zig:9    | Noticed MrChinwatt's ghost (legendary DsWn)
405469 | Zig:9    | Killed SevenDeadlySins's ghost
405469 | Zig:9    | Killed Zachydoop's ghost
405470 | Zig:9    | Killed BerryKnight's ghost
405470 | Zig:9    | Noticed sleeves's ghost (legendary DsFi)
405471 | Zig:9    | Noticed TuffENuff's ghost (legendary FoFi)
405471 | Zig:9    | Noticed Denobboc's ghost (legendary OpMo)
405473 | Zig:9    | Noticed Pusocauss's ghost (legendary VSBe)
405474 | Zig:9    | Killed Xorhowon's ghost
405474 | Zig:9    | Noticed Hillam's ghost (legendary DsTm)
405475 | Zig:9    | Noticed Ikusitist's ghost (legendary NaFE)
405476 | Zig:9    | Killed blexxed's ghost
405476 | Zig:9    | Killed MrChinwatt's ghost
405476 | Zig:9    | Killed Pohawk's ghost
405476 | Zig:9    | Killed Waohesse's ghost
405476 | Zig:9    | Noticed corvin's ghost (legendary OgWn)
405477 | Zig:9    | Killed Zachydoop's ghost
405477 | Zig:9    | Killed sleeves's ghost
405477 | Zig:9    | Killed Haitsiopt's ghost
405477 | Zig:9    | Noticed ragingrage's ghost (legendary OpFE)
405478 | Zig:9    | Killed TuffENuff's ghost
405478 | Zig:9    | Killed Dittersdorf's ghost
405478 | Zig:9    | Killed Hillam's ghost
405479 | Zig:9    | Killed Denobboc's ghost
405481 | Zig:9    | Killed Pusocauss's ghost
405481 | Zig:9    | Killed ragingrage's ghost
405481 | Zig:9    | Killed corvin's ghost
405482 | Zig:9    | Noticed sleeves's ghost (legendary DsFi)
405483 | Zig:9    | Killed Talannal's ghost
405487 | Zig:9    | Killed Ikusitist's ghost
405489 | Zig:9    | Killed sleeves's ghost
405913 | Zig:10   | Entered Level 10 of a ziggurat
405919 | Zig:10   | Paralysed by accursed screaming for 2 turns
405931 | Zig:10   | Paralysed by accursed screaming for 2 turns
406300 | Zig:10   | Identified the staff of cold "Kuyni" {Contam rElec rC+
                  | Str+3}
406311 | Zig:10   | Identified the staff of death "Sautyosh" {rPois rN+ Str-5
                  | Dex-2 Stlth+}
406329 | Zig:10   | Identified the ring of Jicwo {Wiz rN+ Str+3 Dex+3}
406350 | Zig:10   | Identified the +4 scale mail "Owinn" {Fly rElec Slay+6}
406358 | Zig:10   | Identified the +0 robe "Ojorr" {Contam rF+ rCorr}
406364 | Zig:10   | Identified the staff of fire "Leygoar" {+Blink rF+ Int-3
                  | Dex+6}
406455 | Zig:11   | Entered Level 11 of a ziggurat
406499 | Zig:11   | Noticed Ytwikk the pandemonium lord
406505 | Zig:11   | Killed Ytwikk the pandemonium lord
406798 | Zig:11   | Identified the +8 executioner's axe of Raunom {freeze, Fly
                  | rF- Stlth+}
406799 | Zig:11   | Identified the +4 scimitar of Honour {elec, rC+ Int+4}
406800 | Zig:11   | Identified the staff of death "Wacrer" {rC+ rN+ rCorr Int+7
                  | Dex-2}
406825 | Zig:11   | Identified the +2 ring mail "Piyramu" {-Cast rCorr Str+6
                  | Int-5}
407040 | Zig:12   | Entered Level 12 of a ziggurat
407565 | Zig:12   | Identified the ring "Liprore" {rC+ rN+ Str+2 Slay+3}
407569 | Zig:12   | Identified the +2 morningstar of the Eleven Olives
                  | {antimagic, rElec}
407593 | Zig:12   | Identified the +2 hand axe of Crusades {flame, rElec rC+
                  | Str+6}
407671 | Zig:13   | Entered Level 13 of a ziggurat
407843 | Zig:13   | Identified the ring "Foalirus" {rPois rC+ rN+ rCorr Dex+6}
407844 | Zig:13   | Identified the staff of fire "Wasyciuteo" {rElec rF+ rN+
                  | SInv}
407867 | Zig:13   | Identified the ring of Cyduwneg {Wiz rPois Str+4 Dex-3
                  | SInv}
408285 | Zig:13   | Identified the staff of death "Teixip" {rElec rF+ rN+}
408292 | Zig:13   | Identified the staff of death "Vomned" {rC+ rN+ Int+9}
408293 | Zig:13   | Identified the staff of air "Ruiwalam" {rElec Int+4}
408295 | Zig:13   | Identified the amulet "Fannorch" {Spirit Fragile rElec
                  | rCorr Dex+2}
408306 | Zig:13   | Identified the staff of death "Soivia" {rN+ Will+ Int+4}
408316 | Zig:13   | Identified the +5 battleaxe of Terror {heavy, Int+4 Dex+3
                  | Stlth+}
408317 | Zig:13   | Identified the +12 mace of Departure {protect, rElec Int+2}
408358 | Zig:14   | Entered Level 14 of a ziggurat
408940 | Zig:14   | Identified the +0 ring mail "Guriets" {Rampage *Corrode
                  | rPois rC++}
408942 | Zig:14   | Identified the ring "Qaawkika" {Ice rN+ MP+9 SInv}
408952 | Zig:14   | Identified the +0 leather armour of Lemu {Int+3 SInv}
408956 | Zig:14   | Identified the +5 chain mail of the Cobbler {rN++ Stlth+}
408976 | Zig:14   | Identified the +1 scimitar "Atyses" {drain, Str+2}
408986 | Zig:14   | Identified the +3 trident of the Enchanted Forest
                  | {antimagic, rElec Str-2 Int+3}
408989 | Zig:14   | Identified the +11 war axe "Ruinum" {flame, Will+ Dex+3}
409006 | Zig:14   | Identified the +9 dagger of the Telling Visionary {heavy,
                  | rElec rN+}
409009 | Zig:14   | Identified the +9 whip "Racziq" {holy, *Rage Will++ MP+9
                  | Int+2}
409010 | Zig:14   | Identified the +1 hat of Dedoum {rElec Regen+}
409011 | Zig:14   | Identified the +3 glaive "Johovoca" {drain, +Blink rElec
                  | rC+ Stlth+}
409101 | Zig:15   | Entered Level 15 of a ziggurat
409101 | Zig:15   | Noticed Qealorhu the pandemonium lord
409101 | Zig:15   | Noticed Ciaferch the pandemonium lord
409101 | Zig:15   | Noticed Avuf the pandemonium lord
409101 | Zig:15   | Noticed Dishiacs the pandemonium lord
409101 | Zig:15   | Noticed Peolliro the pandemonium lord
409101 | Zig:15   | Noticed Qymalont the pandemonium lord
409101 | Zig:15   | Noticed Lusab the pandemonium lord
409101 | Zig:15   | Noticed Wusmeim the pandemonium lord
409101 | Zig:15   | Noticed Ehutsib the pandemonium lord
409101 | Zig:15   | Noticed Elell the pandemonium lord
409101 | Zig:15   | Noticed Zoturhu the pandemonium lord
409101 | Zig:15   | Noticed Guanik the pandemonium lord
409101 | Zig:15   | Noticed Uhak the pandemonium lord
409101 | Zig:15   | Noticed Deuzad the pandemonium lord
409101 | Zig:15   | Noticed Afunk the pandemonium lord
409101 | Zig:15   | Noticed Kaigykk the pandemonium lord
409101 | Zig:15   | Noticed Fufit the pandemonium lord
409101 | Zig:15   | Noticed Xutamave the pandemonium lord
409101 | Zig:15   | Noticed Qogazuyth the pandemonium lord
409101 | Zig:15   | Noticed Offaray the pandemonium lord
409101 | Zig:15   | Noticed Miad the pandemonium lord
409101 | Zig:15   | Noticed Usarphaf the pandemonium lord
409101 | Zig:15   | Noticed Meiwk the pandemonium lord
409101 | Zig:15   | Noticed Vumagow the pandemonium lord
409101 | Zig:15   | Noticed Fiaseaq the pandemonium lord
409101 | Zig:15   | Noticed Xapyf the pandemonium lord
409101 | Zig:15   | Noticed Lepp the pandemonium lord
409101 | Zig:15   | Noticed Buddeq the pandemonium lord
409101 | Zig:15   | Noticed Osulik the pandemonium lord
409101 | Zig:15   | Noticed Zuneaniw the pandemonium lord
409101 | Zig:15   | Noticed Kevuabu the pandemonium lord
409101 | Zig:15   | Noticed Uforidoi the pandemonium lord
409101 | Zig:15   | Noticed Ykkicinu the pandemonium lord
409101 | Zig:15   | Noticed Gorghorou the pandemonium lord
409101 | Zig:15   | Noticed Hoin the pandemonium lord
409101 | Zig:15   | Noticed Maoklepta the pandemonium lord
409101 | Zig:15   | Noticed Cihoxzia the pandemonium lord
409101 | Zig:15   | Noticed Neer the pandemonium lord
409101 | Zig:15   | Noticed Coffyptai the pandemonium lord
409101 | Zig:15   | Noticed Peitrurph the pandemonium lord
409101 | Zig:15   | Noticed Rolin the pandemonium lord
409101 | Zig:15   | Noticed Ogoetodgh the pandemonium lord
409101 | Zig:15   | Noticed Cubbok the pandemonium lord
409101 | Zig:15   | Noticed Dellot the pandemonium lord
409101 | Zig:15   | Noticed Oxkuoph the pandemonium lord
409101 | Zig:15   | Noticed Amul the pandemonium lord
409101 | Zig:15   | Noticed Wihouttu the pandemonium lord
409101 | Zig:15   | Noticed Umecwef the pandemonium lord
409101 | Zig:15   | Noticed Eqemeunu the pandemonium lord
409101 | Zig:15   | Noticed Niujoan the pandemonium lord
409101 | Zig:15   | Noticed Plog the pandemonium lord
409101 | Zig:15   | Noticed Imomn the pandemonium lord
409101 | Zig:15   | Noticed Guraifes the pandemonium lord
409101 | Zig:15   | Noticed Mex Eme the pandemonium lord
409102 | Zig:15   | Killed Ciaferch the pandemonium lord
409102 | Zig:15   | Killed Ehutsib the pandemonium lord
409102 | Zig:15   | Killed Qogazuyth the pandemonium lord
409102 | Zig:15   | Killed Xutamave the pandemonium lord
409102 | Zig:15   | Killed Buddeq the pandemonium lord
409102 | Zig:15   | Killed Zuneaniw the pandemonium lord
409102 | Zig:15   | Killed Uforidoi the pandemonium lord
409102 | Zig:15   | Killed Cubbok the pandemonium lord
409102 | Zig:15   | Killed Niujoan the pandemonium lord
409102 | Zig:15   | Killed Amul the pandemonium lord
409102 | Zig:15   | Killed Imomn the pandemonium lord
409102 | Zig:15   | Killed Mex Eme the pandemonium lord
409102 | Zig:15   | Killed Eqemeunu the pandemonium lord
409102 | Zig:15   | Killed Wihouttu the pandemonium lord
409102 | Zig:15   | Noticed Fiblucru the pandemonium lord
409102 | Zig:15   | Noticed Konuyt the pandemonium lord
409103 | Zig:15   | Noticed Vamoogam the pandemonium lord
409103 | Zig:15   | Killed Hoin the pandemonium lord
409103 | Zig:15   | Killed Dellot the pandemonium lord
409103 | Zig:15   | Killed Oxkuoph the pandemonium lord
409103 | Zig:15   | Killed Guanik the pandemonium lord
409103 | Zig:15   | Noticed Hogugim the pandemonium lord
409103 | Zig:15   | Noticed Zuallefa the pandemonium lord
409104 | Zig:15   | Killed Guraifes the pandemonium lord
409104 | Zig:15   | Killed Deuzad the pandemonium lord
409104 | Zig:15   | Noticed Saicw the pandemonium lord
409104 | Zig:15   | Noticed Vareegorph the pandemonium lord
409104 | Zig:15   | Noticed Niegus the pandemonium lord
409104 | Zig:15   | Noticed Xonir the pandemonium lord
409105 | Zig:15   | Killed Coffyptai the pandemonium lord
409105 | Zig:15   | Killed Usarphaf the pandemonium lord
409105 | Zig:15   | Killed Meiwk the pandemonium lord
409105 | Zig:15   | Killed Osulik the pandemonium lord
409105 | Zig:15   | Killed Fiaseaq the pandemonium lord
409105 | Zig:15   | Killed Afunk the pandemonium lord
409105 | Zig:15   | Killed Lepp the pandemonium lord
409105 | Zig:15   | Killed Ykkicinu the pandemonium lord
409105 | Zig:15   | Killed Ogoetodgh the pandemonium lord
409105 | Zig:15   | Killed Kaigykk the pandemonium lord
409105 | Zig:15   | Killed Xapyf the pandemonium lord
409105 | Zig:15   | Killed Vareegorph the pandemonium lord
409105 | Zig:15   | Killed Vumagow the pandemonium lord
409105 | Zig:15   | Killed Offaray the pandemonium lord
409105 | Zig:15   | Killed Umecwef the pandemonium lord
409105 | Zig:15   | Noticed Zococw the pandemonium lord
409105 | Zig:15   | Killed Peitrurph the pandemonium lord
409105 | Zig:15   | Noticed Equicseupt the pandemonium lord
409106 | Zig:15   | Noticed Kaotzy the pandemonium lord
409106 | Zig:15   | Killed Uhak the pandemonium lord
409106 | Zig:15   | Killed Plog the pandemonium lord
409106 | Zig:15   | Killed Peolliro the pandemonium lord
409106 | Zig:15   | Killed Konuyt the pandemonium lord
409106 | Zig:15   | Killed Dishiacs the pandemonium lord
409106 | Zig:15   | Killed Wusmeim the pandemonium lord
409106 | Zig:15   | Killed Hogugim the pandemonium lord
409106 | Zig:15   | Killed Fiblucru the pandemonium lord
409106 | Zig:15   | Killed Elell the pandemonium lord
409106 | Zig:15   | Killed Fufit the pandemonium lord
409106 | Zig:15   | Killed Cihoxzia the pandemonium lord
409106 | Zig:15   | Killed Maoklepta the pandemonium lord
409106 | Zig:15   | Killed Rolin the pandemonium lord
409106 | Zig:15   | Killed Kevuabu the pandemonium lord
409106 | Zig:15   | Killed Zoturhu the pandemonium lord
409106 | Zig:15   | Killed Qealorhu the pandemonium lord
409106 | Zig:15   | Noticed Mypseub the pandemonium lord
409106 | Zig:15   | Noticed Rakitav the pandemonium lord
409106 | Zig:15   | Noticed Tygius Jayrch the pandemonium lord
409106 | Zig:15   | Noticed Ejavot the pandemonium lord
409106 | Zig:15   | Noticed Ullisana the pandemonium lord
409106 | Zig:15   | Noticed Danirgh the pandemonium lord
409107 | Zig:15   | Killed Gorghorou the pandemonium lord
409107 | Zig:15   | Killed Neer the pandemonium lord
409107 | Zig:15   | Killed Lusab the pandemonium lord
409107 | Zig:15   | Noticed Uwkiesi the pandemonium lord
409107 | Zig:15   | Noticed Zeqovup the pandemonium lord
409108 | Zig:15   | Killed Avuf the pandemonium lord
409108 | Zig:15   | Killed Xonir the pandemonium lord
409108 | Zig:15   | Noticed Lidaatot the pandemonium lord
409108 | Zig:15   | Noticed Ymurapsous the pandemonium lord
409109 | Zig:15   | Noticed Sefolud the pandemonium lord
409109 | Zig:15   | Killed Miad the pandemonium lord
409109 | Zig:15   | Killed Zuallefa the pandemonium lord
409109 | Zig:15   | Killed Zococw the pandemonium lord
409109 | Zig:15   | Killed Saicw the pandemonium lord
409109 | Zig:15   | Killed Danirgh the pandemonium lord
409109 | Zig:15   | Killed Niegus the pandemonium lord
409109 | Zig:15   | Killed Lidaatot the pandemonium lord
409109 | Zig:15   | Killed Tygius Jayrch the pandemonium lord
409109 | Zig:15   | Killed Ejavot the pandemonium lord
409109 | Zig:15   | Killed Kaotzy the pandemonium lord
409109 | Zig:15   | Killed Vamoogam the pandemonium lord
409109 | Zig:15   | Noticed Umuubl Dihy the pandemonium lord
409109 | Zig:15   | Noticed Midemov the pandemonium lord
409109 | Zig:15   | Noticed Sufaclir the pandemonium lord
409109 | Zig:15   | Noticed Kaam the pandemonium lord
409109 | Zig:15   | Noticed Jeilealar the pandemonium lord
409110 | Zig:15   | Killed Ymurapsous the pandemonium lord
409110 | Zig:15   | Killed Mypseub the pandemonium lord
409110 | Zig:15   | Noticed Xailatia the pandemonium lord
409110 | Zig:15   | Noticed Esylyxuss the pandemonium lord
409111 | Zig:15   | Noticed Ecuucait the pandemonium lord
409111 | Zig:15   | Noticed Vyddokh the pandemonium lord
409111 | Zig:15   | Noticed Hafupob the pandemonium lord
409111 | Zig:15   | Noticed Tokuab the pandemonium lord
409111 | Zig:15   | Killed Ecuucait the pandemonium lord
409111 | Zig:15   | Killed Uwkiesi the pandemonium lord
409111 | Zig:15   | Killed Hafupob the pandemonium lord
409111 | Zig:15   | Noticed Cotrimm the pandemonium lord
409111 | Zig:15   | Noticed Rerap the pandemonium lord
409112 | Zig:15   | Noticed Feoret the pandemonium lord
409112 | Zig:15   | Killed Tokuab the pandemonium lord
409112 | Zig:15   | Killed Vyddokh the pandemonium lord
409112 | Zig:15   | Killed Umuubl Dihy the pandemonium lord
409112 | Zig:15   | Killed Rakitav the pandemonium lord
409112 | Zig:15   | Killed Ullisana the pandemonium lord
409112 | Zig:15   | Noticed Leckaeze the pandemonium lord
409112 | Zig:15   | Noticed Toil the pandemonium lord
409112 | Zig:15   | Noticed Zuhuxu the pandemonium lord
409112 | Zig:15   | Noticed Bagh the pandemonium lord
409112 | Zig:15   | Noticed Otweigoh the pandemonium lord
409113 | Zig:15   | Noticed Huulam the pandemonium lord
409114 | Zig:15   | Killed Qymalont the pandemonium lord
409114 | Zig:15   | Noticed Guonk the pandemonium lord
409116 | Zig:15   | Killed Kaam the pandemonium lord
409116 | Zig:15   | Killed Jeilealar the pandemonium lord
409116 | Zig:15   | Killed Esylyxuss the pandemonium lord
409116 | Zig:15   | Noticed Odestal the pandemonium lord
409116 | Zig:15   | Noticed Zitysair the pandemonium lord
409117 | Zig:15   | Killed Toil the pandemonium lord
409117 | Zig:15   | Killed Sufaclir the pandemonium lord
409117 | Zig:15   | Killed Zuhuxu the pandemonium lord
409117 | Zig:15   | Noticed Celujep the pandemonium lord
409117 | Zig:15   | Noticed Luusohao the pandemonium lord
409117 | Zig:15   | Noticed Etedy the pandemonium lord
409118 | Zig:15   | Noticed Teohoor the pandemonium lord
409118 | Zig:15   | Noticed Fozuz the pandemonium lord
409119 | Zig:15   | Noticed Xoiwkab the pandemonium lord
409119 | Zig:15   | Noticed Romas the pandemonium lord
409120 | Zig:15   | Killed Guonk the pandemonium lord
409120 | Zig:15   | Killed Feoret the pandemonium lord
409120 | Zig:15   | Killed Cotrimm the pandemonium lord
409120 | Zig:15   | Killed Leckaeze the pandemonium lord
409120 | Zig:15   | Killed Xailatia the pandemonium lord
409120 | Zig:15   | Killed Midemov the pandemonium lord
409120 | Zig:15   | Noticed Hahaunae the pandemonium lord
409121 | Zig:15   | Noticed Ciutiwneokk the pandemonium lord
409121 | Zig:15   | Noticed Takhluj the pandemonium lord
409122 | Zig:15   | Killed Rerap the pandemonium lord
409122 | Zig:15   | Killed Celujep the pandemonium lord
409122 | Zig:15   | Killed Luusohao the pandemonium lord
409122 | Zig:15   | Noticed Moeri the pandemonium lord
409123 | Zig:15   | Noticed Bemman Niama the pandemonium lord
409123 | Zig:15   | Killed Odestal the pandemonium lord
409123 | Zig:15   | Killed Teohoor the pandemonium lord
409123 | Zig:15   | Killed Otweigoh the pandemonium lord
409123 | Zig:15   | Killed Zitysair the pandemonium lord
409123 | Zig:15   | Noticed Huethras the pandemonium lord
409124 | Zig:15   | Killed Hahaunae the pandemonium lord
409124 | Zig:15   | Killed Xoiwkab the pandemonium lord
409124 | Zig:15   | Killed Sefolud the pandemonium lord
409124 | Zig:15   | Killed Zeqovup the pandemonium lord
409124 | Zig:15   | Killed Huulam the pandemonium lord
409124 | Zig:15   | Killed Etedy the pandemonium lord
409124 | Zig:15   | Killed Bagh the pandemonium lord
409124 | Zig:15   | Noticed Jafec the pandemonium lord
409124 | Zig:15   | Noticed Utorghik the pandemonium lord
409124 | Zig:15   | Noticed Ypor the pandemonium lord
409125 | Zig:15   | Killed Equicseupt the pandemonium lord
409125 | Zig:15   | Noticed Idosiz the pandemonium lord
409126 | Zig:15   | Noticed Zeiguoh the pandemonium lord
409126 | Zig:15   | Noticed Atroum the pandemonium lord
409129 | Zig:15   | Killed Fozuz the pandemonium lord
409129 | Zig:15   | Killed Takhluj the pandemonium lord
409129 | Zig:15   | Killed Jafec the pandemonium lord
409129 | Zig:15   | Killed Romas the pandemonium lord
409129 | Zig:15   | Noticed Yvucheucw the pandemonium lord
409129 | Zig:15   | Noticed Gebast the pandemonium lord
409129 | Zig:15   | Noticed Vidol the pandemonium lord
409130 | Zig:15   | Killed Ciutiwneokk the pandemonium lord
409130 | Zig:15   | Killed Bemman Niama the pandemonium lord
409130 | Zig:15   | Killed Zeiguoh the pandemonium lord
409130 | Zig:15   | Noticed Loink the pandemonium lord
409130 | Zig:15   | Noticed Duesamm the pandemonium lord
409130 | Zig:15   | Noticed Veotuoci the pandemonium lord
409131 | Zig:15   | Killed Ypor the pandemonium lord
409131 | Zig:15   | Killed Utorghik the pandemonium lord
409131 | Zig:15   | Killed Atroum the pandemonium lord
409131 | Zig:15   | Noticed Noyroriv the pandemonium lord
409131 | Zig:15   | Noticed Uschibura the pandemonium lord
409132 | Zig:15   | Killed Idosiz the pandemonium lord
409132 | Zig:15   | Noticed Emejeodu the pandemonium lord
409132 | Zig:15   | Noticed Jietwesa the pandemonium lord
409134 | Zig:15   | Noticed Saos the pandemonium lord
409135 | Zig:15   | Killed Moeri the pandemonium lord
409135 | Zig:15   | Killed Loink the pandemonium lord
409135 | Zig:15   | Killed Vidol the pandemonium lord
409135 | Zig:15   | Noticed Gin Lea the pandemonium lord
409136 | Zig:15   | Noticed Ubuiv the pandemonium lord
409136 | Zig:15   | Noticed Ixaewot the pandemonium lord
409136 | Zig:15   | Killed Huethras the pandemonium lord
409136 | Zig:15   | Killed Veotuoci the pandemonium lord
409136 | Zig:15   | Killed Duesamm the pandemonium lord
409136 | Zig:15   | Killed Gebast the pandemonium lord
409136 | Zig:15   | Noticed Luoc the pandemonium lord
409137 | Zig:15   | Noticed Haihy the pandemonium lord
409138 | Zig:15   | Killed Yvucheucw the pandemonium lord
409138 | Zig:15   | Killed Ixaewot the pandemonium lord
409138 | Zig:15   | Killed Uschibura the pandemonium lord
409138 | Zig:15   | Killed Saos the pandemonium lord
409138 | Zig:15   | Killed Jietwesa the pandemonium lord
409139 | Zig:15   | Killed Ubuiv the pandemonium lord
409139 | Zig:15   | Killed Emejeodu the pandemonium lord
409139 | Zig:15   | Killed Noyroriv the pandemonium lord
409139 | Zig:15   | Killed Gin Lea the pandemonium lord
409139 | Zig:15   | Noticed Syrutz the pandemonium lord
409139 | Zig:15   | Noticed Xeguogh the pandemonium lord
409139 | Zig:15   | Noticed Disainuj the pandemonium lord
409140 | Zig:15   | Killed Luoc the pandemonium lord
409140 | Zig:15   | Killed Haihy the pandemonium lord
409140 | Zig:15   | Noticed Ate Ciod the pandemonium lord
409141 | Zig:15   | Killed Syrutz the pandemonium lord
409141 | Zig:15   | Noticed Wachyhupp the pandemonium lord
409141 | Zig:15   | Noticed Reamav the pandemonium lord
409142 | Zig:15   | Noticed Tynileag the pandemonium lord
409142 | Zig:15   | Noticed Tiecah the pandemonium lord
409143 | Zig:15   | Noticed Zycypt the pandemonium lord
409144 | Zig:15   | Killed Xeguogh the pandemonium lord
409144 | Zig:15   | Killed Disainuj the pandemonium lord
409144 | Zig:15   | Noticed Gyrahur the pandemonium lord
409145 | Zig:15   | Noticed Huxan the pandemonium lord
409145 | Zig:15   | Noticed Cugganis the pandemonium lord
409147 | Zig:15   | Killed Ate Ciod the pandemonium lord
409147 | Zig:15   | Noticed Sesmudak the pandemonium lord
409148 | Zig:15   | Killed Wachyhupp the pandemonium lord
409148 | Zig:15   | Noticed Suroza the pandemonium lord
409148 | Zig:15   | Noticed Keselal the pandemonium lord
409150 | Zig:15   | Killed Tynileag the pandemonium lord
409150 | Zig:15   | Noticed Osezuod the pandemonium lord
409151 | Zig:15   | Noticed Yme Bocs the pandemonium lord
409151 | Zig:15   | Noticed Xetrorha the pandemonium lord
409151 | Zig:15   | Killed Gyrahur the pandemonium lord
409151 | Zig:15   | Killed Huxan the pandemonium lord
409151 | Zig:15   | Killed Tiecah the pandemonium lord
409151 | Zig:15   | Noticed Ogips the pandemonium lord
409152 | Zig:15   | Killed Xetrorha the pandemonium lord
409152 | Zig:15   | Killed Yme Bocs the pandemonium lord
409152 | Zig:15   | Killed Keselal the pandemonium lord
409152 | Zig:15   | Killed Reamav the pandemonium lord
409152 | Zig:15   | Noticed Eveskut the pandemonium lord
409152 | Zig:15   | Noticed Isutux the pandemonium lord
409154 | Zig:15   | Killed Zycypt the pandemonium lord
409154 | Zig:15   | Noticed Lubeujoy the pandemonium lord
409156 | Zig:15   | Killed Suroza the pandemonium lord
409157 | Zig:15   | Killed Sesmudak the pandemonium lord
409157 | Zig:15   | Killed Osezuod the pandemonium lord
409157 | Zig:15   | Killed Ogips the pandemonium lord
409157 | Zig:15   | Killed Cugganis the pandemonium lord
409157 | Zig:15   | Killed Isutux the pandemonium lord
409158 | Zig:15   | Killed Eveskut the pandemonium lord
409158 | Zig:15   | Noticed Dakowkuy the pandemonium lord
409159 | Zig:15   | Killed Lubeujoy the pandemonium lord
409159 | Zig:15   | Noticed Izariw the pandemonium lord
409160 | Zig:15   | Noticed Raw Gopp the pandemonium lord
409161 | Zig:15   | Killed Izariw the pandemonium lord
409161 | Zig:15   | Killed Raw Gopp the pandemonium lord
409165 | Zig:15   | Killed Dakowkuy the pandemonium lord
409166 | Zig:15   | Noticed Kiwk the pandemonium lord
409166 | Zig:15   | Noticed Taddaocroakk the pandemonium lord
409168 | Zig:15   | Noticed Titeprou the pandemonium lord
409168 | Zig:15   | Noticed Lepheps the pandemonium lord
409168 | Zig:15   | Noticed Bac Teo the pandemonium lord
409169 | Zig:15   | Noticed Fatamo the pandemonium lord
409169 | Zig:15   | Noticed Hahudeiz the pandemonium lord
409170 | Zig:15   | Killed Lepheps the pandemonium lord
409170 | Zig:15   | Killed Kiwk the pandemonium lord
409171 | Zig:15   | Noticed Vefo the pandemonium lord
409171 | Zig:15   | Killed Taddaocroakk the pandemonium lord
409171 | Zig:15   | Killed Bac Teo the pandemonium lord
409171 | Zig:15   | Noticed Atorhum the pandemonium lord
409172 | Zig:15   | Noticed Puluts the pandemonium lord
409176 | Zig:15   | Killed Hahudeiz the pandemonium lord
409176 | Zig:15   | Killed Puluts the pandemonium lord
409176 | Zig:15   | Killed Titeprou the pandemonium lord
409176 | Zig:15   | Killed Vefo the pandemonium lord
409176 | Zig:15   | Killed Fatamo the pandemonium lord
409176 | Zig:15   | Noticed Tein the pandemonium lord
409176 | Zig:15   | Noticed Geghyd the pandemonium lord
409177 | Zig:15   | Noticed Jyrroynwaf the pandemonium lord
409179 | Zig:15   | Killed Jyrroynwaf the pandemonium lord
409179 | Zig:15   | Noticed Bafrozun the pandemonium lord
409180 | Zig:15   | Killed Tein the pandemonium lord
409183 | Zig:15   | Killed Bafrozun the pandemonium lord
409184 | Zig:15   | Killed Geghyd the pandemonium lord
409194 | Zig:15   | Killed Atorhum the pandemonium lord
409386 | Zig:15   | Identified the +4 dagger of Accidental Termination {chaos,
                  | Int+4}
409387 | Zig:15   | Identified the staff of poison "Soodyso" {rPois Str+2 Int+4
                  | Dex+3 Stlth-}
409392 | Zig:15   | Identified the ring of Utsank {Will+ rCorr Int+3 Slay+3}
409396 | Zig:15   | Identified the staff of death "Gurut" {rPois rN+ Str+8
                  | Int-4 Stlth-}
409406 | Zig:15   | Identified the +4 spear "Bottay" {drain, Dex+5}
409412 | Zig:15   | Identified the ring "Javaw" {rC+ Dex+2 Slay+3}
409417 | Zig:15   | Identified the ring "Ushynt" {+Blink rPois Dex+3 SInv}
409425 | Zig:15   | Identified the staff of air "Rugixo" {+Blink rElec Int+3
                  | SInv}
409433 | Zig:15   | Identified the amulet "Duosh" {RegenMP rElec rPois rCorr
                  | Dex-4}
409434 | Zig:15   | Identified the staff of air "Nodafupp" {rElec Int+3 Dex+4}
409438 | Zig:15   | Identified the +0 hand axe of Death {freeze, rN++}
409440 | Zig:15   | Identified the ring "Asiatrad" {rElec rCorr EV+5 Str+3
                  | Slay-6}
409445 | Zig:15   | Identified the +6 shortbow of the Foremost Portals {heavy,
                  | rElec rN+++ rCorr Dex-2}
409448 | Zig:15   | Identified the amulet of Conformity {Acrobat Str+5}
409729 | Zig:16   | Entered Level 16 of a ziggurat
409780 | Zig:16   | Identified the +4 war axe of Laceration {holy, *Noise rElec
                  | rCorr Str+2}
410666 | Zig:16   | Identified the ring "Jumeahuz" {EV+5 Str+5 Int-5}
410673 | Zig:16   | Identified the scarf "Koh Gioc" {shadows, rElec rN+ Will-}
410683 | Zig:16   | Identified the +5 scimitar of Beogh's Benevolence {freeze,
                  | Int+3}
410690 | Zig:16   | Identified the +3 arbalest of the People {heavy, rPois
                  | Stlth+}
410695 | Zig:16   | Identified the ring "Qaod Lanem" {Contam rPois rF+ rCorr}
410718 | Zig:16   | Identified the +3 long sword "Qirim" {flame, rElec Will-
                  | Dex+5}
410726 | Zig:16   | Identified the +3 hand axe of Jycvaec {drain, Contam rElec
                  | rC++}
410729 | Zig:16   | Identified the +3 trident "Nuocurgh" {protect, rElec Will++
                  | rCorr Dex-2}
410730 | Zig:16   | Identified the amulet of Yschah {Faith rC+ rCorr SInv}
410733 | Zig:16   | Identified the +1 short sword of Freehold {drain, rPois
                  | Dex+2}
410736 | Zig:16   | Identified the amulet of Qocin {Faith Harm rC++ Regen+
                  | Slay-2}
410868 | Zig:17   | Entered Level 17 of a ziggurat
410940 | Zig:17   | Noticed Ataofiug the pandemonium lord
410944 | Zig:17   | Killed Ataofiug the pandemonium lord
410970 | Zig:17   | Paralysed by a floating eye for 2 turns
411514 | Zig:17   | Identified the +7 scale mail "Hicatu Otuph" {Int+3}
411515 | Zig:17   | Identified the +5 robe of Kirrut {Str+3}
411526 | Zig:17   | Identified the +2 ring mail of Life {Fly rC+ rN+ MP-9}
411528 | Zig:17   | Identified the +11 sling "Azolipu" {antimagic, rF+}
411530 | Zig:17   | Identified the +2 flail of a bailey {flame, rPois}
411531 | Zig:17   | Identified the ring "Yptetol" {AC+4 Str+3}
411533 | Zig:17   | Identified the amulet "Bump" {RegenMP Slay+5}
411537 | Zig:17   | Identified the staff of air "Zufoupuu" {rElec rC+ Will+}
411543 | Zig:17   | Identified the staff of fire "Exunoum" {*Corrode rPois rF+
                  | Stlth+}
411550 | Zig:17   | Identified the +1 pair of boots "Duarih" {rN+ rCorr}
411551 | Zig:17   | Identified the +1 mace "Saeco" {elec, rPois Stlth+}
411553 | Zig:17   | Identified the +4 dagger "Luampaeq" {freeze, Dex+4}
411554 | Zig:17   | Identified the +8 long sword of Malaise {antimagic, Str+5
                  | Int+3}
411562 | Zig:17   | Identified the staff of poison "Overatt" {rElec rPois rF+
                  | Int-5 Stlth+}
411575 | Zig:17   | Identified the staff of conjuration "Cukhicid" {+Blink
                  | Str+2 Int+2 SInv}
411578 | Zig:17   | Identified the staff of conjuration "Rysutyosag" {rF+ SInv
                  | Stlth+}
411629 | Zig:18   | Entered Level 18 of a ziggurat
411629 | Zig:18   | Noticed Ymehede the pandemonium lord
411629 | Zig:18   | Noticed Fonla the pandemonium lord
411629 | Zig:18   | Noticed Weasenou the pandemonium lord
411629 | Zig:18   | Noticed Haeme the pandemonium lord
411629 | Zig:18   | Noticed Aput the pandemonium lord
411629 | Zig:18   | Noticed Umolad the pandemonium lord
411629 | Zig:18   | Noticed Jidaza the pandemonium lord
411629 | Zig:18   | Noticed Laips the pandemonium lord
411629 | Zig:18   | Noticed Suskecet the pandemonium lord
411629 | Zig:18   | Noticed Etuist the pandemonium lord
411629 | Zig:18   | Noticed Vetoo the pandemonium lord
411629 | Zig:18   | Noticed Inim the pandemonium lord
411629 | Zig:18   | Noticed Xifaeb the pandemonium lord
411629 | Zig:18   | Noticed Oteklat the pandemonium lord
411629 | Zig:18   | Noticed Dyfat the pandemonium lord
411629 | Zig:18   | Noticed Plog the pandemonium lord
411629 | Zig:18   | Noticed Kiupt the pandemonium lord
411629 | Zig:18   | Noticed Opsix the pandemonium lord
411629 | Zig:18   | Noticed Isygh the pandemonium lord
411629 | Zig:18   | Noticed Fimmao Nast the pandemonium lord
411629 | Zig:18   | Noticed Loruqu Fetio the pandemonium lord
411629 | Zig:18   | Noticed Etuxamuo the pandemonium lord
411629 | Zig:18   | Noticed Lapnaket the pandemonium lord
411629 | Zig:18   | Noticed Bezob the pandemonium lord
411629 | Zig:18   | Noticed Alurch the pandemonium lord
411629 | Zig:18   | Noticed Veghidin the pandemonium lord
411629 | Zig:18   | Noticed Ebas the pandemonium lord
411629 | Zig:18   | Noticed Kehot the pandemonium lord
411629 | Zig:18   | Noticed Exewe the pandemonium lord
411629 | Zig:18   | Noticed Ifuh Beu the pandemonium lord
411629 | Zig:18   | Noticed Noaproel the pandemonium lord
411629 | Zig:18   | Noticed Bekalaor the pandemonium lord
411629 | Zig:18   | Noticed Razxosaq the pandemonium lord
411629 | Zig:18   | Noticed Qaipn the pandemonium lord
411629 | Zig:18   | Noticed Qeckes the pandemonium lord
411629 | Zig:18   | Noticed Tuod the pandemonium lord
411629 | Zig:18   | Noticed Imeykieg the pandemonium lord
411629 | Zig:18   | Noticed Kaum the pandemonium lord
411629 | Zig:18   | Noticed Ehoo the pandemonium lord
411629 | Zig:18   | Noticed Reenke the pandemonium lord
411629 | Zig:18   | Noticed Xeubumi the pandemonium lord
411629 | Zig:18   | Noticed Ufuituwk the pandemonium lord
411629 | Zig:18   | Noticed Yfig the pandemonium lord
411629 | Zig:18   | Noticed Inlyluzy the pandemonium lord
411629 | Zig:18   | Noticed Nicidiocw the pandemonium lord
411629 | Zig:18   | Noticed Quwicw the pandemonium lord
411629 | Zig:18   | Noticed Noirean the pandemonium lord
411629 | Zig:18   | Noticed Fatwein the pandemonium lord
411629 | Zig:18   | Noticed Hehuhyu the pandemonium lord
411629 | Zig:18   | Noticed Fytrasea the pandemonium lord
411629 | Zig:18   | Noticed Olumig the pandemonium lord
411629 | Zig:18   | Noticed Tumatuf the pandemonium lord
411629 | Zig:18   | Noticed Loddoiso the pandemonium lord
411629 | Zig:18   | Noticed Xearen the pandemonium lord
411629 | Zig:18   | Noticed Xoneoc the pandemonium lord
411629 | Zig:18   | Noticed Dysionna the pandemonium lord
411629 | Zig:18   | Noticed Teggoet the pandemonium lord
411629 | Zig:18   | Noticed Xicomm the pandemonium lord
411629 | Zig:18   | Noticed Ipnam the pandemonium lord
411629 | Zig:18   | Noticed Nafruef the pandemonium lord
411629 | Zig:18   | Noticed Vurat the pandemonium lord
411629 | Zig:18   | Noticed Tiabouly the pandemonium lord
411630 | Zig:18   | Killed Qodimp the pandemonium lord
411630 | Zig:18   | Killed Vetoo the pandemonium lord
411630 | Zig:18   | Killed Umolad the pandemonium lord
411630 | Zig:18   | Killed Ymehede the pandemonium lord
411630 | Zig:18   | Killed Etuist the pandemonium lord
411630 | Zig:18   | Killed Haeme the pandemonium lord
411630 | Zig:18   | Killed Isygh the pandemonium lord
411630 | Zig:18   | Killed Plog the pandemonium lord
411630 | Zig:18   | Killed Ehoo the pandemonium lord
411630 | Zig:18   | Killed Ifuh Beu the pandemonium lord
411630 | Zig:18   | Killed Kaum the pandemonium lord
411630 | Zig:18   | Killed Nicidiocw the pandemonium lord
411630 | Zig:18   | Killed Qeckes the pandemonium lord
411630 | Zig:18   | Killed Ufuituwk the pandemonium lord
411630 | Zig:18   | Killed Hehuhyu the pandemonium lord
411630 | Zig:18   | Killed Inlyluzy the pandemonium lord
411630 | Zig:18   | Killed Xoneoc the pandemonium lord
411630 | Zig:18   | Noticed Koxichish the pandemonium lord
411630 | Zig:18   | Noticed Iprat the pandemonium lord
411630 | Zig:18   | Noticed Rykhlen the pandemonium lord
411630 | Zig:18   | Noticed Afav the pandemonium lord
411630 | Zig:18   | Noticed Xiqaimiu the pandemonium lord
411631 | Zig:18   | Noticed Zeiboq the pandemonium lord
411631 | Zig:18   | Noticed Laethuob the pandemonium lord
411631 | Zig:18   | Noticed Deon the pandemonium lord
411632 | Zig:18   | Noticed Idiekaus the pandemonium lord
411632 | Zig:18   | Noticed Xesojuk the pandemonium lord
411632 | Zig:18   | Killed Laips the pandemonium lord
411632 | Zig:18   | Killed Xifaeb the pandemonium lord
411632 | Zig:18   | Killed Xeubumi the pandemonium lord
411632 | Zig:18   | Killed Tumatuf the pandemonium lord
411632 | Zig:18   | Killed Kiupt the pandemonium lord
411632 | Zig:18   | Killed Etuxamuo the pandemonium lord
411632 | Zig:18   | Killed Suskecet the pandemonium lord
411632 | Zig:18   | Killed Bekalaor the pandemonium lord
411632 | Zig:18   | Killed Vieg the pandemonium lord
411632 | Zig:18   | Killed Aput the pandemonium lord
411632 | Zig:18   | Killed Qaipn the pandemonium lord
411632 | Zig:18   | Killed Nafruef the pandemonium lord
411632 | Zig:18   | Killed Vurat the pandemonium lord
411632 | Zig:18   | Killed Bezob the pandemonium lord
411632 | Zig:18   | Killed Ebas the pandemonium lord
411632 | Zig:18   | Killed Oteklat the pandemonium lord
411632 | Zig:18   | Killed Xiqaimiu the pandemonium lord
411632 | Zig:18   | Killed Quwicw the pandemonium lord
411632 | Zig:18   | Killed Razxosaq the pandemonium lord
411632 | Zig:18   | Killed Xicomm the pandemonium lord
411632 | Zig:18   | Killed Ipnam the pandemonium lord
411632 | Zig:18   | Killed Xearen the pandemonium lord
411632 | Zig:18   | Killed Fatwein the pandemonium lord
411632 | Zig:18   | Killed Noirean the pandemonium lord
411632 | Zig:18   | Killed Reenke the pandemonium lord
411632 | Zig:18   | Killed Tiabouly the pandemonium lord
411632 | Zig:18   | Noticed Quomupso the pandemonium lord
411632 | Zig:18   | Noticed Onosiami the pandemonium lord
411632 | Zig:18   | Noticed Afer the pandemonium lord
411632 | Zig:18   | Killed Dysionna the pandemonium lord
411633 | Zig:18   | Noticed Bacw the pandemonium lord
411633 | Zig:18   | Killed Loddoiso the pandemonium lord
411633 | Zig:18   | Killed Opsix the pandemonium lord
411633 | Zig:18   | Killed Imeykieg the pandemonium lord
411633 | Zig:18   | Killed Yfig the pandemonium lord
411633 | Zig:18   | Killed Dyfat the pandemonium lord
411633 | Zig:18   | Killed Loruqu Fetio the pandemonium lord
411633 | Zig:18   | Killed Fytrasea the pandemonium lord
411633 | Zig:18   | Killed Lapnaket the pandemonium lord
411633 | Zig:18   | Killed Veghidin the pandemonium lord
411633 | Zig:18   | Killed Exewe the pandemonium lord
411633 | Zig:18   | Noticed Hexilui the pandemonium lord
411633 | Zig:18   | Noticed Qiabe the pandemonium lord
411634 | Zig:18   | Noticed Awnal the pandemonium lord
411634 | Zig:18   | Noticed Radam the pandemonium lord
411634 | Zig:18   | Noticed Pajerph the pandemonium lord
411634 | Zig:18   | Noticed Lelaraps the pandemonium lord
411634 | Zig:18   | Killed Tuod the pandemonium lord
411634 | Zig:18   | Killed Alurch the pandemonium lord
411634 | Zig:18   | Killed Inim the pandemonium lord
411634 | Zig:18   | Killed Onosiami the pandemonium lord
411634 | Zig:18   | Killed Laethuob the pandemonium lord
411634 | Zig:18   | Killed Zeiboq the pandemonium lord
411634 | Zig:18   | Killed Teggoet the pandemonium lord
411634 | Zig:18   | Killed Kehot the pandemonium lord
411634 | Zig:18   | Noticed Kihentek the pandemonium lord
411634 | Zig:18   | Noticed Xumait the pandemonium lord
411635 | Zig:18   | Killed Fonla the pandemonium lord
411635 | Zig:18   | Killed Koxichish the pandemonium lord
411635 | Zig:18   | Noticed Kezxoitt the pandemonium lord
411636 | Zig:18   | Killed Noaproel the pandemonium lord
411636 | Zig:18   | Killed Afav the pandemonium lord
411636 | Zig:18   | Noticed Heater the pandemonium lord
411636 | Zig:18   | Noticed Ryuh the pandemonium lord
411637 | Zig:18   | Noticed Qehor the pandemonium lord
411637 | Zig:18   | Killed Xesojuk the pandemonium lord
411637 | Zig:18   | Killed Fimmao Nast the pandemonium lord
411637 | Zig:18   | Killed Quomupso the pandemonium lord
411638 | Zig:18   | Killed Olumig the pandemonium lord
411638 | Zig:18   | Killed Qiabe the pandemonium lord
411638 | Zig:18   | Noticed Lyvuc the pandemonium lord
411638 | Zig:18   | Noticed Amaudaiwn the pandemonium lord
411638 | Zig:18   | Noticed Nilec the pandemonium lord
411638 | Zig:18   | Noticed Iwnalixa the pandemonium lord
411638 | Zig:18   | Noticed Pisuoq the pandemonium lord
411638 | Zig:18   | Noticed Ynox the pandemonium lord
411639 | Zig:18   | Noticed Sacre the pandemonium lord
411639 | Zig:18   | Noticed Xuzo Alo the pandemonium lord
411639 | Zig:18   | Noticed Gytesoos the pandemonium lord
411640 | Zig:18   | Killed Awnal the pandemonium lord
411640 | Zig:18   | Killed Bacw the pandemonium lord
411640 | Zig:18   | Noticed Iruclumi the pandemonium lord
411640 | Zig:18   | Noticed Nimaucum the pandemonium lord
411642 | Zig:18   | Noticed Vuuricw the pandemonium lord
411642 | Zig:18   | Killed Hexilui the pandemonium lord
411642 | Zig:18   | Killed Qehor the pandemonium lord
411642 | Zig:18   | Killed Xumait the pandemonium lord
411642 | Zig:18   | Killed Weasenou the pandemonium lord
411642 | Zig:18   | Killed Kihentek the pandemonium lord
411642 | Zig:18   | Noticed Rohy the pandemonium lord
411642 | Zig:18   | Noticed Orchypta the pandemonium lord
411643 | Zig:18   | Noticed Cuezo the pandemonium lord
411643 | Zig:18   | Noticed Coqouxuo the pandemonium lord
411643 | Zig:18   | Killed Idiekaus the pandemonium lord
411643 | Zig:18   | Killed Heater the pandemonium lord
411643 | Zig:18   | Killed Lelaraps the pandemonium lord
411643 | Zig:18   | Killed Jidaza the pandemonium lord
411643 | Zig:18   | Killed Kezxoitt the pandemonium lord
411643 | Zig:18   | Killed Deon the pandemonium lord
411643 | Zig:18   | Noticed Meegger the pandemonium lord
411643 | Zig:18   | Noticed Sidygac the pandemonium lord
411644 | Zig:18   | Killed Cuezo the pandemonium lord
411644 | Zig:18   | Killed Iwnalixa the pandemonium lord
411644 | Zig:18   | Killed Ynox the pandemonium lord
411644 | Zig:18   | Killed Afer the pandemonium lord
411644 | Zig:18   | Killed Gytesoos the pandemonium lord
411644 | Zig:18   | Killed Ryuh the pandemonium lord
411644 | Zig:18   | Killed Sacre the pandemonium lord
411644 | Zig:18   | Killed Amaudaiwn the pandemonium lord
411644 | Zig:18   | Killed Coqouxuo the pandemonium lord
411644 | Zig:18   | Noticed Focrucug the pandemonium lord
411644 | Zig:18   | Noticed Cesaulio the pandemonium lord
411644 | Zig:18   | Noticed Owiwos the pandemonium lord
411645 | Zig:18   | Noticed Hutrik the pandemonium lord
411645 | Zig:18   | Killed Radam the pandemonium lord
411645 | Zig:18   | Killed Nilec the pandemonium lord
411645 | Zig:18   | Killed Pisuoq the pandemonium lord
411645 | Zig:18   | Killed Nimaucum the pandemonium lord
411645 | Zig:18   | Killed Lyvuc the pandemonium lord
411645 | Zig:18   | Noticed Ledotzac the pandemonium lord
411645 | Zig:18   | Noticed Avivor the pandemonium lord
411646 | Zig:18   | Killed Xuzo Alo the pandemonium lord
411646 | Zig:18   | Noticed Acakkasu the pandemonium lord
411646 | Zig:18   | Noticed Zuthois the pandemonium lord
411647 | Zig:18   | Noticed Nikhenn the pandemonium lord
411647 | Zig:18   | Noticed Asitoup the pandemonium lord
411647 | Zig:18   | Killed Meegger the pandemonium lord
411647 | Zig:18   | Killed Vuuricw the pandemonium lord
411647 | Zig:18   | Killed Pajerph the pandemonium lord
411647 | Zig:18   | Noticed Ymargh the pandemonium lord
411647 | Zig:18   | Noticed Semuat Isojy the pandemonium lord
411647 | Zig:18   | Noticed Fonietej the pandemonium lord
411647 | Zig:18   | Noticed Bots the pandemonium lord
411648 | Zig:18   | Noticed Siogurphu the pandemonium lord
411648 | Zig:18   | Killed Rohy the pandemonium lord
411648 | Zig:18   | Noticed Zapuwkol the pandemonium lord
411648 | Zig:18   | Noticed Wial Ini the pandemonium lord
411648 | Zig:18   | Noticed Laenuoskesch the pandemonium lord
411648 | Zig:18   | Noticed Opuol the pandemonium lord
411649 | Zig:18   | Noticed Lorob the pandemonium lord
411649 | Zig:18   | Noticed Woirio the pandemonium lord
411649 | Zig:18   | Noticed Itepir the pandemonium lord
411650 | Zig:18   | Noticed Coumneq the pandemonium lord
411650 | Zig:18   | Killed Orchypta the pandemonium lord
411650 | Zig:18   | Killed Sidygac the pandemonium lord
411650 | Zig:18   | Killed Asitoup the pandemonium lord
411650 | Zig:18   | Killed Focrucug the pandemonium lord
411650 | Zig:18   | Killed Iruclumi the pandemonium lord
411650 | Zig:18   | Killed Owiwos the pandemonium lord
411650 | Zig:18   | Killed Iprat the pandemonium lord
411650 | Zig:18   | Noticed Epum the pandemonium lord
411651 | Zig:18   | Killed Ymargh the pandemonium lord
411651 | Zig:18   | Killed Acakkasu the pandemonium lord
411651 | Zig:18   | Killed Hutrik the pandemonium lord
411651 | Zig:18   | Killed Avivor the pandemonium lord
411651 | Zig:18   | Noticed Uwkecs the pandemonium lord
411651 | Zig:18   | Noticed Wugrimasch the pandemonium lord
411652 | Zig:18   | Noticed Tuvvoe the pandemonium lord
411652 | Zig:18   | Noticed Dinuapt the pandemonium lord
411652 | Zig:18   | Noticed Enkealog the pandemonium lord
411653 | Zig:18   | Noticed Tyth the pandemonium lord
411653 | Zig:18   | Noticed Liulanwe the pandemonium lord
411653 | Zig:18   | Noticed Feeroyt the pandemonium lord
411653 | Zig:18   | Noticed Fuath the pandemonium lord
411653 | Zig:18   | Noticed Waopis Tics the pandemonium lord
411654 | Zig:18   | Noticed Zatep the pandemonium lord
411654 | Zig:18   | Killed Wial Ini the pandemonium lord
411654 | Zig:18   | Killed Cesaulio the pandemonium lord
411654 | Zig:18   | Killed Fonietej the pandemonium lord
411654 | Zig:18   | Killed Siogurphu the pandemonium lord
411654 | Zig:18   | Killed Zuthois the pandemonium lord
411654 | Zig:18   | Killed Ledotzac the pandemonium lord
411654 | Zig:18   | Noticed Kuopn the pandemonium lord
411654 | Zig:18   | Noticed Xunuket the pandemonium lord
411654 | Zig:18   | Noticed Rutauw the pandemonium lord
411655 | Zig:18   | Killed Semuat Isojy the pandemonium lord
411655 | Zig:18   | Killed Itepir the pandemonium lord
411655 | Zig:18   | Killed Woirio the pandemonium lord
411655 | Zig:18   | Killed Opuol the pandemonium lord
411655 | Zig:18   | Killed Tyth the pandemonium lord
411655 | Zig:18   | Killed Laenuoskesch the pandemonium lord
411655 | Zig:18   | Noticed Cuivopin the pandemonium lord
411655 | Zig:18   | Noticed Yfuolorr the pandemonium lord
411655 | Zig:18   | Noticed Derphor the pandemonium lord
411656 | Zig:18   | Noticed Acraan the pandemonium lord
411656 | Zig:18   | Noticed Ocytait the pandemonium lord
411656 | Zig:18   | Noticed Zilopir the pandemonium lord
411656 | Zig:18   | Killed Lorob the pandemonium lord
411656 | Zig:18   | Killed Bots the pandemonium lord
411656 | Zig:18   | Killed Feeroyt the pandemonium lord
411656 | Zig:18   | Killed Coumneq the pandemonium lord
411656 | Zig:18   | Noticed Temnoz the pandemonium lord
411656 | Zig:18   | Noticed Odaat the pandemonium lord
411656 | Zig:18   | Noticed Syt Odau the pandemonium lord
411657 | Zig:18   | Noticed Uguapeso the pandemonium lord
411657 | Zig:18   | Noticed Mauxt the pandemonium lord
411657 | Zig:18   | Killed Zapuwkol the pandemonium lord
411657 | Zig:18   | Killed Uwkecs the pandemonium lord
411657 | Zig:18   | Killed Tuvvoe the pandemonium lord
411657 | Zig:18   | Killed Dinuapt the pandemonium lord
411657 | Zig:18   | Killed Kuopn the pandemonium lord
411657 | Zig:18   | Killed Waopis Tics the pandemonium lord
411657 | Zig:18   | Killed Enkealog the pandemonium lord
411657 | Zig:18   | Killed Liulanwe the pandemonium lord
411657 | Zig:18   | Noticed Pieh the pandemonium lord
411659 | Zig:18   | Noticed Azean the pandemonium lord
411659 | Zig:18   | Killed Fuath the pandemonium lord
411660 | Zig:18   | Noticed Keott the pandemonium lord
411660 | Zig:18   | Noticed Ydalleij the pandemonium lord
411661 | Zig:18   | Noticed Luripru the pandemonium lord
411661 | Zig:18   | Killed Ocytait the pandemonium lord
411661 | Zig:18   | Killed Wugrimasch the pandemonium lord
411661 | Zig:18   | Killed Zilopir the pandemonium lord
411661 | Zig:18   | Killed Nikhenn the pandemonium lord
411661 | Zig:18   | Killed Epum the pandemonium lord
411661 | Zig:18   | Noticed Xiolle the pandemonium lord
411661 | Zig:18   | Noticed Nutzeisch the pandemonium lord
411661 | Zig:18   | Noticed Seomi the pandemonium lord
411661 | Zig:18   | Noticed Lieharot the pandemonium lord
411662 | Zig:18   | Noticed Dimom the pandemonium lord
411662 | Zig:18   | Killed Azean the pandemonium lord
411662 | Zig:18   | Killed Syt Odau the pandemonium lord
411662 | Zig:18   | Killed Zatep the pandemonium lord
411662 | Zig:18   | Killed Rutauw the pandemonium lord
411663 | Zig:18   | Killed Cuivopin the pandemonium lord
411663 | Zig:18   | Killed Xunuket the pandemonium lord
411663 | Zig:18   | Killed Acraan the pandemonium lord
411663 | Zig:18   | Killed Odaat the pandemonium lord
411663 | Zig:18   | Paralysed by you for 5 turns
411663 | Zig:18   | Noticed Mycysil the pandemonium lord
411663 | Zig:18   | Noticed Zolloyjoo the pandemonium lord
411663 | Zig:18   | Noticed Cuesomni the pandemonium lord
411663 | Zig:18   | Noticed Qezut Ukibb the pandemonium lord
411663 | Zig:18   | Noticed Xiaruof the pandemonium lord
411663 | Zig:18   | Noticed Peim the pandemonium lord
411663 | Zig:18   | Noticed Onoisir the pandemonium lord
411663 | Zig:18   | Noticed Yhock the pandemonium lord
411664 | Zig:18   | Killed Ydalleij the pandemonium lord
411664 | Zig:18   | Noticed Pyoryqeu the pandemonium lord
411665 | Zig:18   | Noticed Tosmeh the pandemonium lord
411666 | Zig:18   | Killed Derphor the pandemonium lord
411666 | Zig:18   | Noticed Siaqo the pandemonium lord
411667 | Zig:18   | Noticed Kooz the pandemonium lord
411667 | Zig:18   | Noticed Havofyg the pandemonium lord
411668 | Zig:18   | Killed Xiolle the pandemonium lord
411668 | Zig:18   | Killed Yfuolorr the pandemonium lord
411668 | Zig:18   | Killed Keott the pandemonium lord
411668 | Zig:18   | Noticed Cusor the pandemonium lord
411668 | Zig:18   | Noticed Qushrudum the pandemonium lord
411669 | Zig:18   | Noticed Anaof the pandemonium lord
411669 | Zig:18   | Noticed Xetuqis the pandemonium lord
411669 | Zig:18   | Noticed Himakh the pandemonium lord
411670 | Zig:18   | Noticed Xecsao the pandemonium lord
411670 | Zig:18   | Noticed Etrieth the pandemonium lord
411670 | Zig:18   | Noticed Oteum the pandemonium lord
411671 | Zig:18   | Noticed Wouvet the pandemonium lord
411671 | Zig:18   | Killed Mauxt the pandemonium lord
411671 | Zig:18   | Killed Luripru the pandemonium lord
411671 | Zig:18   | Killed Qezut Ukibb the pandemonium lord
411671 | Zig:18   | Killed Nutzeisch the pandemonium lord
411671 | Zig:18   | Noticed Hymy the pandemonium lord
411671 | Zig:18   | Noticed Waohus the pandemonium lord
411672 | Zig:18   | Noticed Qiript the pandemonium lord
411672 | Zig:18   | Killed Seomi the pandemonium lord
411672 | Zig:18   | Killed Peim the pandemonium lord
411672 | Zig:18   | Killed Siaqo the pandemonium lord
411672 | Zig:18   | Killed Lieharot the pandemonium lord
411672 | Zig:18   | Killed Havofyg the pandemonium lord
411672 | Zig:18   | Killed Pyoryqeu the pandemonium lord
411672 | Zig:18   | Noticed Ryse the pandemonium lord
411672 | Zig:18   | Noticed Furusinu the pandemonium lord
411673 | Zig:18   | Noticed Wuzufin the pandemonium lord
411673 | Zig:18   | Noticed Deulinen the pandemonium lord
411673 | Zig:18   | Killed Dimom the pandemonium lord
411673 | Zig:18   | Killed Uguapeso the pandemonium lord
411673 | Zig:18   | Killed Oteum the pandemonium lord
411673 | Zig:18   | Killed Pieh the pandemonium lord
411673 | Zig:18   | Killed Cuesomni the pandemonium lord
411673 | Zig:18   | Killed Qiript the pandemonium lord
411673 | Zig:18   | Killed Mycysil the pandemonium lord
411673 | Zig:18   | Killed Xiaruof the pandemonium lord
411673 | Zig:18   | Killed Onoisir the pandemonium lord
411673 | Zig:18   | Killed Xecsao the pandemonium lord
411673 | Zig:18   | Killed Cusor the pandemonium lord
411673 | Zig:18   | Killed Qushrudum the pandemonium lord
411673 | Zig:18   | Killed Anaof the pandemonium lord
411673 | Zig:18   | Killed Xetuqis the pandemonium lord
411673 | Zig:18   | Noticed Astul the pandemonium lord
411673 | Zig:18   | Noticed Newucloa the pandemonium lord
411673 | Zig:18   | Noticed Comibaga the pandemonium lord
411673 | Zig:18   | Noticed Ekkif the pandemonium lord
411674 | Zig:18   | Noticed Elaoneud the pandemonium lord
411674 | Zig:18   | Killed Etrieth the pandemonium lord
411674 | Zig:18   | Killed Temnoz the pandemonium lord
411674 | Zig:18   | Noticed Ytidil the pandemonium lord
411674 | Zig:18   | Noticed Pedoq the pandemonium lord
411675 | Zig:18   | Noticed Feofeibb the pandemonium lord
411675 | Zig:18   | Noticed Nucuo the pandemonium lord
411675 | Zig:18   | Noticed Gusir the pandemonium lord
411676 | Zig:18   | Noticed Irchapouw the pandemonium lord
411676 | Zig:18   | Noticed Wemaocs the pandemonium lord
411676 | Zig:18   | Killed Ryse the pandemonium lord
411676 | Zig:18   | Killed Yhock the pandemonium lord
411676 | Zig:18   | Killed Himakh the pandemonium lord
411676 | Zig:18   | Killed Waohus the pandemonium lord
411676 | Zig:18   | Killed Kooz the pandemonium lord
411676 | Zig:18   | Killed Zolloyjoo the pandemonium lord
411676 | Zig:18   | Noticed Xourees the pandemonium lord
411676 | Zig:18   | Noticed Odiowaip the pandemonium lord
411677 | Zig:18   | Noticed Locahuh the pandemonium lord
411677 | Zig:18   | Noticed Utuin the pandemonium lord
411677 | Zig:18   | Noticed Togop the pandemonium lord
411677 | Zig:18   | Noticed Mofiss the pandemonium lord
411678 | Zig:18   | Noticed Nonnuss the pandemonium lord
411678 | Zig:18   | Noticed Biefruats the pandemonium lord
411678 | Zig:18   | Noticed Vigig the pandemonium lord
411679 | Zig:18   | Killed Deulinen the pandemonium lord
411679 | Zig:18   | Killed Wuzufin the pandemonium lord
411679 | Zig:18   | Killed Elaoneud the pandemonium lord
411679 | Zig:18   | Killed Newucloa the pandemonium lord
411679 | Zig:18   | Killed Wouvet the pandemonium lord
411679 | Zig:18   | Noticed Fiprumn the pandemonium lord
411679 | Zig:18   | Noticed Fuxkij the pandemonium lord
411680 | Zig:18   | Killed Furusinu the pandemonium lord
411680 | Zig:18   | Killed Utuin the pandemonium lord
411680 | Zig:18   | Killed Wemaocs the pandemonium lord
411680 | Zig:18   | Killed Ytidil the pandemonium lord
411680 | Zig:18   | Killed Comibaga the pandemonium lord
411680 | Zig:18   | Killed Tosmeh the pandemonium lord
411680 | Zig:18   | Killed Astul the pandemonium lord
411680 | Zig:18   | Noticed Wiuz the pandemonium lord
411680 | Zig:18   | Noticed Ubbanon the pandemonium lord
411680 | Zig:18   | Noticed Qoakekal the pandemonium lord
411681 | Zig:18   | Killed Xourees the pandemonium lord
411681 | Zig:18   | Killed Ekkif the pandemonium lord
411681 | Zig:18   | Killed Pedoq the pandemonium lord
411681 | Zig:18   | Killed Nucuo the pandemonium lord
411681 | Zig:18   | Killed Irchapouw the pandemonium lord
411681 | Zig:18   | Killed Nonnuss the pandemonium lord
411681 | Zig:18   | Killed Feofeibb the pandemonium lord
411682 | Zig:18   | Killed Locahuh the pandemonium lord
411682 | Zig:18   | Killed Fiprumn the pandemonium lord
411682 | Zig:18   | Killed Biefruats the pandemonium lord
411682 | Zig:18   | Killed Vigig the pandemonium lord
411682 | Zig:18   | Noticed Qinlaij the pandemonium lord
411682 | Zig:18   | Noticed Laoch the pandemonium lord
411682 | Zig:18   | Noticed Myhaisa the pandemonium lord
411682 | Zig:18   | Killed Ubbanon the pandemonium lord
411682 | Zig:18   | Killed Hymy the pandemonium lord
411683 | Zig:18   | Noticed Nacer the pandemonium lord
411683 | Zig:18   | Killed Fuxkij the pandemonium lord
411683 | Zig:18   | Killed Gusir the pandemonium lord
411683 | Zig:18   | Noticed Onisecoff the pandemonium lord
411683 | Zig:18   | Noticed Jobetimp the pandemonium lord
411683 | Zig:18   | Noticed Anir the pandemonium lord
411683 | Zig:18   | Noticed Hoity the pandemonium lord
411684 | Zig:18   | Killed Odiowaip the pandemonium lord
411684 | Zig:18   | Killed Togop the pandemonium lord
411684 | Zig:18   | Killed Wiuz the pandemonium lord
411684 | Zig:18   | Killed Mofiss the pandemonium lord
411685 | Zig:18   | Killed Qinlaij the pandemonium lord
411685 | Zig:18   | Killed Nacer the pandemonium lord
411685 | Zig:18   | Killed Myhaisa the pandemonium lord
411685 | Zig:18   | Killed Hoity the pandemonium lord
411685 | Zig:18   | Killed Qoakekal the pandemonium lord
411685 | Zig:18   | Noticed Zanaleell the pandemonium lord
411686 | Zig:18   | Noticed Vomnyth the pandemonium lord
411687 | Zig:18   | Noticed Cishrued the pandemonium lord
411687 | Zig:18   | Noticed Boapt the pandemonium lord
411688 | Zig:18   | Noticed Loena the pandemonium lord
411688 | Zig:18   | Noticed Wot Rann the pandemonium lord
411690 | Zig:18   | Killed Anir the pandemonium lord
411690 | Zig:18   | Killed Onisecoff the pandemonium lord
411690 | Zig:18   | Killed Jobetimp the pandemonium lord
411690 | Zig:18   | Noticed Inays the pandemonium lord
411691 | Zig:18   | Killed Laoch the pandemonium lord
411691 | Zig:18   | Killed Loena the pandemonium lord
411691 | Zig:18   | Noticed Siju the pandemonium lord
411691 | Zig:18   | Noticed Ocised the pandemonium lord
411691 | Zig:18   | Noticed Zulashre the pandemonium lord
411692 | Zig:18   | Killed Vomnyth the pandemonium lord
411692 | Zig:18   | Killed Cishrued the pandemonium lord
411693 | Zig:18   | Noticed Bedoulu the pandemonium lord
411693 | Zig:18   | Noticed Plog the pandemonium lord
411693 | Zig:18   | Killed Boapt the pandemonium lord
411693 | Zig:18   | Killed Wot Rann the pandemonium lord
411693 | Zig:18   | Killed Zanaleell the pandemonium lord
411693 | Zig:18   | Noticed Ufib the pandemonium lord
411694 | Zig:18   | Noticed Veraikho the pandemonium lord
411694 | Zig:18   | Noticed Naenelaer the pandemonium lord
411694 | Zig:18   | Noticed Avuckieqorr the pandemonium lord
411695 | Zig:18   | Noticed Gateopacw the pandemonium lord
411695 | Zig:18   | Noticed Wyxzarph the pandemonium lord
411696 | Zig:18   | Noticed Teysinwa the pandemonium lord
411698 | Zig:18   | Killed Siju the pandemonium lord
411698 | Zig:18   | Noticed Foqujew the pandemonium lord
411702 | Zig:18   | Killed Inays the pandemonium lord
411702 | Zig:18   | Killed Bedoulu the pandemonium lord
411702 | Zig:18   | Killed Ufib the pandemonium lord
411702 | Zig:18   | Killed Plog the pandemonium lord
411703 | Zig:18   | Killed Ocised the pandemonium lord
411708 | Zig:18   | Killed Avuckieqorr the pandemonium lord
411709 | Zig:18   | Killed Foqujew the pandemonium lord
411709 | Zig:18   | Killed Teysinwa the pandemonium lord
411709 | Zig:18   | Killed Veraikho the pandemonium lord
411709 | Zig:18   | Killed Gateopacw the pandemonium lord
411709 | Zig:18   | Killed Zulashre the pandemonium lord
411709 | Zig:18   | Noticed Cuzxoe the pandemonium lord
411709 | Zig:18   | Noticed Suwao the pandemonium lord
411710 | Zig:18   | Noticed Winib the pandemonium lord
411710 | Zig:18   | Noticed Xoto the pandemonium lord
411710 | Zig:18   | Noticed Neaqah the pandemonium lord
411711 | Zig:18   | Killed Rykhlen the pandemonium lord
411711 | Zig:18   | Noticed Tuprott the pandemonium lord
411712 | Zig:18   | Noticed Cathru the pandemonium lord
411712 | Zig:18   | Killed Wyxzarph the pandemonium lord
411712 | Zig:18   | Killed Cuzxoe the pandemonium lord
411712 | Zig:18   | Killed Naenelaer the pandemonium lord
411712 | Zig:18   | Noticed Pyedih the pandemonium lord
411713 | Zig:18   | Killed Xoto the pandemonium lord
411713 | Zig:18   | Killed Cathru the pandemonium lord
411713 | Zig:18   | Noticed Muqaeh the pandemonium lord
411713 | Zig:18   | Noticed Gisaarev the pandemonium lord
411715 | Zig:18   | Killed Winib the pandemonium lord
411715 | Zig:18   | Noticed Lonyann the pandemonium lord
411715 | Zig:18   | Noticed Lesewney the pandemonium lord
411716 | Zig:18   | Killed Neaqah the pandemonium lord
411716 | Zig:18   | Killed Tuprott the pandemonium lord
411716 | Zig:18   | Noticed Taqaveapt the pandemonium lord
411717 | Zig:18   | Killed Suwao the pandemonium lord
411717 | Zig:18   | Killed Gisaarev the pandemonium lord
411717 | Zig:18   | Killed Pyedih the pandemonium lord
411717 | Zig:18   | Noticed Ynwut the pandemonium lord
411717 | Zig:18   | Noticed Purr the pandemonium lord
411718 | Zig:18   | Killed Lonyann the pandemonium lord
411718 | Zig:18   | Killed Muqaeh the pandemonium lord
411718 | Zig:18   | Killed Lesewney the pandemonium lord
411718 | Zig:18   | Noticed Enut the pandemonium lord
411720 | Zig:18   | Killed Taqaveapt the pandemonium lord
411720 | Zig:18   | Noticed Ynih the pandemonium lord
411720 | Zig:18   | Noticed Ecronk the pandemonium lord
411721 | Zig:18   | Noticed Kuamakh the pandemonium lord
411721 | Zig:18   | Noticed Dixum the pandemonium lord
411722 | Zig:18   | Killed Ynwut the pandemonium lord
411722 | Zig:18   | Killed Purr the pandemonium lord
411723 | Zig:18   | Killed Dixum the pandemonium lord
411723 | Zig:18   | Killed Enut the pandemonium lord
411723 | Zig:18   | Killed Ecronk the pandemonium lord
411723 | Zig:18   | Noticed Qiniz the pandemonium lord
411729 | Zig:18   | Killed Ynih the pandemonium lord
411729 | Zig:18   | Killed Kuamakh the pandemonium lord
411729 | Zig:18   | Noticed Kell the pandemonium lord
411729 | Zig:18   | Noticed Rodig the pandemonium lord
411730 | Zig:18   | Killed Qiniz the pandemonium lord
411730 | Zig:18   | Noticed Johas the pandemonium lord
411730 | Zig:18   | Noticed Poliawyofaff the pandemonium lord
411730 | Zig:18   | Noticed Asuoti the pandemonium lord
411730 | Zig:18   | Noticed Qobb the pandemonium lord
411730 | Zig:18   | Noticed Buovybby the pandemonium lord
411730 | Zig:18   | Noticed Luepleaxa the pandemonium lord
411732 | Zig:18   | Killed Luepleaxa the pandemonium lord
411732 | Zig:18   | Killed Poliawyofaff the pandemonium lord
411732 | Zig:18   | Killed Asuoti the pandemonium lord
411732 | Zig:18   | Killed Buovybby the pandemonium lord
411732 | Zig:18   | Noticed Kotokad the pandemonium lord
411734 | Zig:18   | Killed Kell the pandemonium lord
411734 | Zig:18   | Noticed Usoa the pandemonium lord
411734 | Zig:18   | Noticed Sofofakaba the pandemonium lord
411735 | Zig:18   | Killed Johas the pandemonium lord
411736 | Zig:18   | Noticed Weanad the pandemonium lord
411736 | Zig:18   | Killed Qobb the pandemonium lord
411736 | Zig:18   | Killed Rodig the pandemonium lord
411736 | Zig:18   | Killed Kotokad the pandemonium lord
411738 | Zig:18   | Noticed Uheis the pandemonium lord
411739 | Zig:18   | Noticed Pipsoh the pandemonium lord
411742 | Zig:18   | Noticed Cahaykh the pandemonium lord
411743 | Zig:18   | Noticed Nemufrih the pandemonium lord
411745 | Zig:18   | Killed Sofofakaba the pandemonium lord
411745 | Zig:18   | Noticed Huon the pandemonium lord
411746 | Zig:18   | Killed Uheis the pandemonium lord
411746 | Zig:18   | Killed Usoa the pandemonium lord
411746 | Zig:18   | Noticed Moonisud the pandemonium lord
411748 | Zig:18   | Killed Weanad the pandemonium lord
411748 | Zig:18   | Killed Huon the pandemonium lord
411748 | Zig:18   | Noticed Etuipsypp the pandemonium lord
411748 | Zig:18   | Noticed Gorhi the pandemonium lord
411748 | Zig:18   | Noticed Mioxt the pandemonium lord
411749 | Zig:18   | Killed Pipsoh the pandemonium lord
411749 | Zig:18   | Killed Cahaykh the pandemonium lord
411749 | Zig:18   | Killed Nemufrih the pandemonium lord
411750 | Zig:18   | Noticed Ymopag the pandemonium lord
411750 | Zig:18   | Noticed Juumar the pandemonium lord
411751 | Zig:18   | Noticed Yxuv the pandemonium lord
411753 | Zig:18   | Noticed Worchir the pandemonium lord
411753 | Zig:18   | Noticed Iraezo Paukk the pandemonium lord
411753 | Zig:18   | Noticed Fudikoiwn the pandemonium lord
411754 | Zig:18   | Killed Ymopag the pandemonium lord
411761 | Zig:18   | Killed Juumar the pandemonium lord
411762 | Zig:18   | Noticed Tirask the pandemonium lord
411762 | Zig:18   | Noticed Johel the pandemonium lord
411763 | Zig:18   | Killed Mioxt the pandemonium lord
411763 | Zig:18   | Killed Moonisud the pandemonium lord
411763 | Zig:18   | Killed Iraezo Paukk the pandemonium lord
411763 | Zig:18   | Killed Yxuv the pandemonium lord
411763 | Zig:18   | Killed Worchir the pandemonium lord
411763 | Zig:18   | Killed Etuipsypp the pandemonium lord
411763 | Zig:18   | Killed Gorhi the pandemonium lord
411763 | Zig:18   | Noticed Ejekotesh the pandemonium lord
411764 | Zig:18   | Killed Fudikoiwn the pandemonium lord
411766 | Zig:18   | Killed Ejekotesh the pandemonium lord
411767 | Zig:18   | Killed Tirask the pandemonium lord
411768 | Zig:18   | Killed Johel the pandemonium lord
411768 | Zig:18   | Noticed Tadeoxol the pandemonium lord
411774 | Zig:18   | Noticed Ebuo the pandemonium lord
411777 | Zig:18   | Killed Tadeoxol the pandemonium lord
411783 | Zig:18   | Killed Ebuo the pandemonium lord
412219 | Zig:18   | Identified the +0 leather armour of Omiumpuq {rElec Str+4
                  | Dex+4}
412221 | Zig:18   | Identified the staff of earth "Sayq" {Will- Int+4}
412222 | Zig:18   | Identified the +1 leather armour of Patterns {rPois Dex+3}
412233 | Zig:18   | Identified the +8 shortbow of the Unstoppable Knaves
                  | {drain, rPois Int+2}
412240 | Zig:18   | Identified the staff of poison "Joqem" {rPois rN+ Dex+5}
412249 | Zig:18   | Identified the ring "Udwuaps" {rF+ rC++ Will+}
412250 | Zig:18   | Identified the +5 halberd "Beetleslayer" {flame, rN+}
412254 | Zig:18   | Identified the staff of air "Xigraero" {rElec rPois Int+3}
412256 | Zig:18   | Identified the +6 plate armour "Etyk" {rF+ rCorr}
412259 | Zig:18   | Identified the ring "Sirifef" {rN+ Int+6}
412266 | Zig:18   | Identified the +5 arbalest "Ythyarroaxt" {freeze, Drain
                  | rElec Will+++ Dex-5}
412269 | Zig:18   | Identified the +4 broad axe of Zapaogh {flame, Fragile
                  | rCorr Int+3 Dex+3}
412270 | Zig:18   | Identified the amulet "Woakluku" {Regen+ Str+2 Dex+4}
412298 | Zig:19   | Entered Level 19 of a ziggurat
412298 | Zig:19   | Noticed Guferghoi the pandemonium lord
412298 | Zig:19   | Noticed Budaec the pandemonium lord
412298 | Zig:19   | Noticed Guemauh the pandemonium lord
412298 | Zig:19   | Noticed Vomnoh the pandemonium lord
412298 | Zig:19   | Noticed Basurheck the pandemonium lord
412298 | Zig:19   | Noticed Onkeopt the pandemonium lord
412298 | Zig:19   | Noticed Gice the pandemonium lord
412298 | Zig:19   | Noticed Fywkociraj the pandemonium lord
412298 | Zig:19   | Noticed Jioc the pandemonium lord
412298 | Zig:19   | Noticed Kamediv the pandemonium lord
412298 | Zig:19   | Noticed Tony the pandemonium lord
412298 | Zig:19   | Noticed Kidat the pandemonium lord
412298 | Zig:19   | Noticed Rahaclao the pandemonium lord
412298 | Zig:19   | Noticed Hickomas the pandemonium lord
412298 | Zig:19   | Noticed Orrief the pandemonium lord
412298 | Zig:19   | Noticed Laxeiph the pandemonium lord
412298 | Zig:19   | Noticed Haoppeq the pandemonium lord
412298 | Zig:19   | Noticed Lilomp the pandemonium lord
412298 | Zig:19   | Noticed Zawnaeracw the pandemonium lord
412298 | Zig:19   | Noticed Touheh the pandemonium lord
412298 | Zig:19   | Noticed Ijealunn the pandemonium lord
412298 | Zig:19   | Noticed Bocuck the pandemonium lord
412298 | Zig:19   | Noticed Turep the pandemonium lord
412298 | Zig:19   | Noticed Pagyon the pandemonium lord
412298 | Zig:19   | Noticed Wyijiuryso the pandemonium lord
412298 | Zig:19   | Noticed Okkeban the pandemonium lord
412298 | Zig:19   | Noticed Dyapouw the pandemonium lord
412298 | Zig:19   | Noticed Ecwu the pandemonium lord
412298 | Zig:19   | Noticed Eru Agiu the pandemonium lord
412298 | Zig:19   | Noticed Rurrepra the pandemonium lord
412298 | Zig:19   | Noticed Rohaheus the pandemonium lord
412298 | Zig:19   | Noticed Tapit the pandemonium lord
412298 | Zig:19   | Noticed Erae the pandemonium lord
412298 | Zig:19   | Noticed Byloemn the pandemonium lord
412298 | Zig:19   | Noticed Onizxarph the pandemonium lord
412298 | Zig:19   | Noticed Yhamubot the pandemonium lord
412298 | Zig:19   | Noticed Oloifim the pandemonium lord
412298 | Zig:19   | Noticed Hynaveis the pandemonium lord
412298 | Zig:19   | Noticed Ostyggy the pandemonium lord
412298 | Zig:19   | Noticed Vexen the pandemonium lord
412298 | Zig:19   | Noticed Ytoekhluo the pandemonium lord
412298 | Zig:19   | Noticed Ukhlasi the pandemonium lord
412298 | Zig:19   | Noticed Ezxyisy the pandemonium lord
412298 | Zig:19   | Noticed Kerayjiz the pandemonium lord
412298 | Zig:19   | Noticed Zaniuhym the pandemonium lord
412298 | Zig:19   | Noticed Raobb the pandemonium lord
412298 | Zig:19   | Noticed Ohaeluti the pandemonium lord
412298 | Zig:19   | Noticed Ociutt the pandemonium lord
412298 | Zig:19   | Noticed Damilyu the pandemonium lord
412298 | Zig:19   | Noticed Wapilolo the pandemonium lord
412298 | Zig:19   | Noticed Odygam the pandemonium lord
412298 | Zig:19   | Noticed Wunlaox the pandemonium lord
412298 | Zig:19   | Noticed Dujerr the pandemonium lord
412298 | Zig:19   | Noticed Dosoa the pandemonium lord
412298 | Zig:19   | Noticed Fympovudu the pandemonium lord
412298 | Zig:19   | Noticed Vyib the pandemonium lord
412298 | Zig:19   | Noticed Coet Dops the pandemonium lord
412298 | Zig:19   | Noticed Ubaj the pandemonium lord
412298 | Zig:19   | Noticed Amotyss the pandemonium lord
412298 | Zig:19   | Noticed Xontaust the pandemonium lord
412298 | Zig:19   | Noticed Pucrabani the pandemonium lord
412299 | Zig:19   | Killed Vomnoh the pandemonium lord
412299 | Zig:19   | Killed Onkeopt the pandemonium lord
412299 | Zig:19   | Killed Hickomas the pandemonium lord
412299 | Zig:19   | Killed Erae the pandemonium lord
412299 | Zig:19   | Killed Ecwu the pandemonium lord
412299 | Zig:19   | Killed Ijealunn the pandemonium lord
412299 | Zig:19   | Killed Touheh the pandemonium lord
412299 | Zig:19   | Killed Vexen the pandemonium lord
412299 | Zig:19   | Killed Rohaheus the pandemonium lord
412299 | Zig:19   | Killed Yhamubot the pandemonium lord
412299 | Zig:19   | Killed Ytoekhluo the pandemonium lord
412299 | Zig:19   | Killed Tapit the pandemonium lord
412299 | Zig:19   | Killed Damilyu the pandemonium lord
412299 | Zig:19   | Killed Kerayjiz the pandemonium lord
412299 | Zig:19   | Killed Odygam the pandemonium lord
412299 | Zig:19   | Killed Dujerr the pandemonium lord
412299 | Zig:19   | Killed Vyib the pandemonium lord
412299 | Zig:19   | Killed Coet Dops the pandemonium lord
412299 | Zig:19   | Noticed Xoschiag the pandemonium lord
412299 | Zig:19   | Noticed Loilujuag the pandemonium lord
412299 | Zig:19   | Noticed Sekhlile the pandemonium lord
412300 | Zig:19   | Noticed Ugyrud the pandemonium lord
412300 | Zig:19   | Noticed Jilieg the pandemonium lord
412300 | Zig:19   | Noticed Getauroa the pandemonium lord
412300 | Zig:19   | Noticed Xaorasku the pandemonium lord
412300 | Zig:19   | Noticed Ocuegh the pandemonium lord
412300 | Zig:19   | Noticed Seekk the pandemonium lord
412300 | Zig:19   | Noticed Fecsacur the pandemonium lord
412301 | Zig:19   | Noticed Noca Kec the pandemonium lord
412301 | Zig:19   | Killed Wapilolo the pandemonium lord
412301 | Zig:19   | Killed Ohaeluti the pandemonium lord
412301 | Zig:19   | Killed Lilomp the pandemonium lord
412301 | Zig:19   | Killed Guferghoi the pandemonium lord
412301 | Zig:19   | Noticed Uqivoicw the pandemonium lord
412302 | Zig:19   | Noticed Vaytt the pandemonium lord
412302 | Zig:19   | Noticed Inugasch the pandemonium lord
412302 | Zig:19   | Noticed Oluckuc the pandemonium lord
412302 | Zig:19   | Noticed Papich the pandemonium lord
412302 | Zig:19   | Noticed Kuewk the pandemonium lord
412302 | Zig:19   | Noticed Cyimi the pandemonium lord
412303 | Zig:19   | Killed Wyijiuryso the pandemonium lord
412303 | Zig:19   | Killed Haoppeq the pandemonium lord
412303 | Zig:19   | Killed Ubaj the pandemonium lord
412303 | Zig:19   | Killed Dyapouw the pandemonium lord
412303 | Zig:19   | Killed Seekk the pandemonium lord
412303 | Zig:19   | Killed Raobb the pandemonium lord
412303 | Zig:19   | Killed Ociutt the pandemonium lord
412303 | Zig:19   | Killed Okkeban the pandemonium lord
412303 | Zig:19   | Killed Kidat the pandemonium lord
412303 | Zig:19   | Killed Dosoa the pandemonium lord
412303 | Zig:19   | Killed Rurrepra the pandemonium lord
412303 | Zig:19   | Killed Zaniuhym the pandemonium lord
412303 | Zig:19   | Killed Laxeiph the pandemonium lord
412303 | Zig:19   | Killed Xaorasku the pandemonium lord
412303 | Zig:19   | Killed Guemauh the pandemonium lord
412303 | Zig:19   | Killed Jioc the pandemonium lord
412303 | Zig:19   | Killed Ocuegh the pandemonium lord
412303 | Zig:19   | Killed Habiteip the pandemonium lord
412303 | Zig:19   | Noticed Yggiuleg the pandemonium lord
412304 | Zig:19   | Killed Ostyggy the pandemonium lord
412304 | Zig:19   | Killed Oloifim the pandemonium lord
412304 | Zig:19   | Killed Pagyon the pandemonium lord
412304 | Zig:19   | Killed Fecsacur the pandemonium lord
412304 | Zig:19   | Killed Bocuck the pandemonium lord
412304 | Zig:19   | Killed Kamediv the pandemonium lord
412304 | Zig:19   | Killed Jilieg the pandemonium lord
412304 | Zig:19   | Killed Tony the pandemonium lord
412304 | Zig:19   | Killed Budaec the pandemonium lord
412304 | Zig:19   | Killed Hynaveis the pandemonium lord
412304 | Zig:19   | Killed Fympovudu the pandemonium lord
412304 | Zig:19   | Killed Turep the pandemonium lord
412304 | Zig:19   | Noticed Gakhiova the pandemonium lord
412304 | Zig:19   | Noticed Dokhij the pandemonium lord
412304 | Zig:19   | Noticed Nuveukh the pandemonium lord
412305 | Zig:19   | Killed Orrief the pandemonium lord
412305 | Zig:19   | Killed Vaytt the pandemonium lord
412305 | Zig:19   | Killed Noca Kec the pandemonium lord
412305 | Zig:19   | Killed Papich the pandemonium lord
412305 | Zig:19   | Killed Ukhlasi the pandemonium lord
412305 | Zig:19   | Killed Gice the pandemonium lord
412305 | Zig:19   | Killed Basurheck the pandemonium lord
412305 | Zig:19   | Killed Uqivoicw the pandemonium lord
412305 | Zig:19   | Killed Sekhlile the pandemonium lord
412305 | Zig:19   | Killed Wunlaox the pandemonium lord
412305 | Zig:19   | Killed Zawnaeracw the pandemonium lord
412305 | Zig:19   | Killed Byloemn the pandemonium lord
412305 | Zig:19   | Killed Dokhij the pandemonium lord
412305 | Zig:19   | Killed Xoschiag the pandemonium lord
412305 | Zig:19   | Noticed Henets the pandemonium lord
412306 | Zig:19   | Noticed Etek Ocigg the pandemonium lord
412306 | Zig:19   | Killed Inugasch the pandemonium lord
412306 | Zig:19   | Killed Cyimi the pandemonium lord
412306 | Zig:19   | Killed Ezxyisy the pandemonium lord
412306 | Zig:19   | Noticed Etuufime the pandemonium lord
412306 | Zig:19   | Noticed Lumas the pandemonium lord
412306 | Zig:19   | Noticed Kinwunog the pandemonium lord
412306 | Zig:19   | Noticed Acromaf the pandemonium lord
412307 | Zig:19   | Noticed Xecopluo the pandemonium lord
412307 | Zig:19   | Noticed Lustej the pandemonium lord
412307 | Zig:19   | Killed Rahaclao the pandemonium lord
412307 | Zig:19   | Noticed Wiyl the pandemonium lord
412309 | Zig:19   | Killed Ugyrud the pandemonium lord
412309 | Zig:19   | Killed Fywkociraj the pandemonium lord
412309 | Zig:19   | Killed Yggiuleg the pandemonium lord
412309 | Zig:19   | Killed Getauroa the pandemonium lord
412309 | Zig:19   | Killed Xontaust the pandemonium lord
412309 | Zig:19   | Killed Lustej the pandemonium lord
412310 | Zig:19   | Killed Lumas the pandemonium lord
412310 | Zig:19   | Killed Xecopluo the pandemonium lord
412310 | Zig:19   | Killed Henets the pandemonium lord
412310 | Zig:19   | Noticed Wonur the pandemonium lord
412311 | Zig:19   | Killed Pucrabani the pandemonium lord
412311 | Zig:19   | Killed Loilujuag the pandemonium lord
412311 | Zig:19   | Noticed Puseu the pandemonium lord
412311 | Zig:19   | Noticed Ryot the pandemonium lord
412311 | Zig:19   | Noticed Neapikyf the pandemonium lord
412312 | Zig:19   | Killed Onizxarph the pandemonium lord
412312 | Zig:19   | Noticed Vuedgh the pandemonium lord
412312 | Zig:19   | Noticed Karhaq the pandemonium lord
412312 | Zig:19   | Noticed Novamn the pandemonium lord
412312 | Zig:19   | Noticed Guminith the pandemonium lord
412312 | Zig:19   | Noticed Reiwnily the pandemonium lord
412313 | Zig:19   | Noticed Vumiet the pandemonium lord
412313 | Zig:19   | Killed Ryot the pandemonium lord
412313 | Zig:19   | Noticed Kaulal the pandemonium lord
412314 | Zig:19   | Noticed Hiugg the pandemonium lord
412314 | Zig:19   | Noticed Uxzuis Fyr the pandemonium lord
412314 | Zig:19   | Noticed Qobros the pandemonium lord
412314 | Zig:19   | Noticed Hiafus Joapp the pandemonium lord
412315 | Zig:19   | Killed Vuedgh the pandemonium lord
412315 | Zig:19   | Killed Kuewk the pandemonium lord
412315 | Zig:19   | Killed Reiwnily the pandemonium lord
412315 | Zig:19   | Killed Wonur the pandemonium lord
412315 | Zig:19   | Noticed Asegec the pandemonium lord
412315 | Zig:19   | Noticed Jiohig the pandemonium lord
412315 | Zig:19   | Noticed Ceph the pandemonium lord
412316 | Zig:19   | Killed Qobros the pandemonium lord
412316 | Zig:19   | Killed Uxzuis Fyr the pandemonium lord
412316 | Zig:19   | Killed Eru Agiu the pandemonium lord
412316 | Zig:19   | Noticed Xeanemm the pandemonium lord
412317 | Zig:19   | Killed Gakhiova the pandemonium lord
412317 | Zig:19   | Killed Etek Ocigg the pandemonium lord
412317 | Zig:19   | Killed Wiyl the pandemonium lord
412317 | Zig:19   | Killed Novamn the pandemonium lord
412317 | Zig:19   | Noticed Hedephu the pandemonium lord
412317 | Zig:19   | Noticed Qasiez the pandemonium lord
412317 | Zig:19   | Noticed Fahomem the pandemonium lord
412317 | Zig:19   | Noticed Qipuegah the pandemonium lord
412317 | Zig:19   | Noticed Hidghuti the pandemonium lord
412317 | Zig:19   | Noticed Viarghacie the pandemonium lord
412317 | Zig:19   | Noticed Vaosis the pandemonium lord
412318 | Zig:19   | Noticed Afiaj the pandemonium lord
412318 | Zig:19   | Killed Karhaq the pandemonium lord
412318 | Zig:19   | Killed Vumiet the pandemonium lord
412318 | Zig:19   | Killed Hiugg the pandemonium lord
412318 | Zig:19   | Killed Puseu the pandemonium lord
412318 | Zig:19   | Killed Nuveukh the pandemonium lord
412318 | Zig:19   | Killed Ceph the pandemonium lord
412318 | Zig:19   | Killed Kaulal the pandemonium lord
412318 | Zig:19   | Killed Acromaf the pandemonium lord
412318 | Zig:19   | Killed Oluckuc the pandemonium lord
412318 | Zig:19   | Killed Etuufime the pandemonium lord
412318 | Zig:19   | Killed Guminith the pandemonium lord
412318 | Zig:19   | Killed Neapikyf the pandemonium lord
412318 | Zig:19   | Noticed Gouleec the pandemonium lord
412318 | Zig:19   | Noticed Faloulakk the pandemonium lord
412318 | Zig:19   | Noticed Esayv the pandemonium lord
412319 | Zig:19   | Killed Asegec the pandemonium lord
412319 | Zig:19   | Killed Amotyss the pandemonium lord
412319 | Zig:19   | Killed Hidghuti the pandemonium lord
412319 | Zig:19   | Noticed Nuasoc the pandemonium lord
412319 | Zig:19   | Noticed Bitox the pandemonium lord
412319 | Zig:19   | Noticed Cybih the pandemonium lord
412320 | Zig:19   | Noticed Maon the pandemonium lord
412320 | Zig:19   | Noticed Jaiteyq the pandemonium lord
412320 | Zig:19   | Noticed Kebrinwa the pandemonium lord
412320 | Zig:19   | Noticed Feof Ydghu the pandemonium lord
412320 | Zig:19   | Noticed Kagruerr the pandemonium lord
412320 | Zig:19   | Noticed Jybyw the pandemonium lord
412320 | Zig:19   | Noticed Huagiwk the pandemonium lord
412321 | Zig:19   | Killed Hiafus Joapp the pandemonium lord
412321 | Zig:19   | Killed Kinwunog the pandemonium lord
412321 | Zig:19   | Killed Fahomem the pandemonium lord
412321 | Zig:19   | Killed Hedephu the pandemonium lord
412321 | Zig:19   | Noticed Usoikoc the pandemonium lord
412322 | Zig:19   | Killed Jiohig the pandemonium lord
412322 | Zig:19   | Killed Kagruerr the pandemonium lord
412322 | Zig:19   | Killed Cybih the pandemonium lord
412322 | Zig:19   | Killed Qipuegah the pandemonium lord
412322 | Zig:19   | Killed Gouleec the pandemonium lord
412322 | Zig:19   | Killed Jybyw the pandemonium lord
412322 | Zig:19   | Killed Xeanemm the pandemonium lord
412322 | Zig:19   | Killed Faloulakk the pandemonium lord
412322 | Zig:19   | Killed Maon the pandemonium lord
412322 | Zig:19   | Killed Vaosis the pandemonium lord
412322 | Zig:19   | Noticed Xamoih the pandemonium lord
412322 | Zig:19   | Noticed Jaebal the pandemonium lord
412322 | Zig:19   | Noticed Feppen the pandemonium lord
412322 | Zig:19   | Noticed Puocot the pandemonium lord
412322 | Zig:19   | Noticed Bogirr the pandemonium lord
412322 | Zig:19   | Noticed Iddilir the pandemonium lord
412322 | Zig:19   | Noticed Nigy the pandemonium lord
412323 | Zig:19   | Noticed Meseusm the pandemonium lord
412324 | Zig:19   | Noticed Cyovelosm the pandemonium lord
412324 | Zig:19   | Killed Viarghacie the pandemonium lord
412324 | Zig:19   | Killed Qasiez the pandemonium lord
412324 | Zig:19   | Killed Afiaj the pandemonium lord
412324 | Zig:19   | Noticed Baod Poluzi the pandemonium lord
412324 | Zig:19   | Noticed Reled the pandemonium lord
412325 | Zig:19   | Noticed Boruc the pandemonium lord
412325 | Zig:19   | Killed Esayv the pandemonium lord
412325 | Zig:19   | Killed Huagiwk the pandemonium lord
412325 | Zig:19   | Killed Feof Ydghu the pandemonium lord
412325 | Zig:19   | Killed Cyovelosm the pandemonium lord
412325 | Zig:19   | Killed Nigy the pandemonium lord
412325 | Zig:19   | Noticed Liskit the pandemonium lord
412325 | Zig:19   | Noticed Ganwiq the pandemonium lord
412325 | Zig:19   | Noticed Ytalefel the pandemonium lord
412326 | Zig:19   | Killed Kebrinwa the pandemonium lord
412326 | Zig:19   | Killed Xamoih the pandemonium lord
412326 | Zig:19   | Killed Puocot the pandemonium lord
412326 | Zig:19   | Killed Baod Poluzi the pandemonium lord
412326 | Zig:19   | Killed Usoikoc the pandemonium lord
412326 | Zig:19   | Noticed Cointon the pandemonium lord
412326 | Zig:19   | Noticed Hevonag the pandemonium lord
412327 | Zig:19   | Killed Jaiteyq the pandemonium lord
412327 | Zig:19   | Killed Ytalefel the pandemonium lord
412327 | Zig:19   | Killed Boruc the pandemonium lord
412327 | Zig:19   | Killed Meseusm the pandemonium lord
412327 | Zig:19   | Killed Nuasoc the pandemonium lord
412327 | Zig:19   | Killed Bogirr the pandemonium lord
412327 | Zig:19   | Killed Hevonag the pandemonium lord
412327 | Zig:19   | Killed Bitox the pandemonium lord
412328 | Zig:19   | Killed Iddilir the pandemonium lord
412328 | Zig:19   | Killed Feppen the pandemonium lord
412328 | Zig:19   | Killed Reled the pandemonium lord
412328 | Zig:19   | Killed Ganwiq the pandemonium lord
412328 | Zig:19   | Killed Jaebal the pandemonium lord
412328 | Zig:19   | Noticed Itack the pandemonium lord
412328 | Zig:19   | Noticed Miomir the pandemonium lord
412328 | Zig:19   | Noticed Sogafin the pandemonium lord
412328 | Zig:19   | Noticed Jituc the pandemonium lord
412329 | Zig:19   | Killed Liskit the pandemonium lord
412329 | Zig:19   | Killed Jituc the pandemonium lord
412329 | Zig:19   | Noticed Zisa the pandemonium lord
412329 | Zig:19   | Noticed Jeintiph the pandemonium lord
412330 | Zig:19   | Killed Miomir the pandemonium lord
412330 | Zig:19   | Noticed Guxkesm the pandemonium lord
412330 | Zig:19   | Noticed Recwev the pandemonium lord
412330 | Zig:19   | Noticed Ussirias the pandemonium lord
412330 | Zig:19   | Noticed Uhonosaj the pandemonium lord
412330 | Zig:19   | Noticed Gumpoxt the pandemonium lord
412330 | Zig:19   | Noticed Qenlit the pandemonium lord
412331 | Zig:19   | Noticed Wusalahi the pandemonium lord
412332 | Zig:19   | Killed Cointon the pandemonium lord
412332 | Zig:19   | Killed Itack the pandemonium lord
412332 | Zig:19   | Killed Sogafin the pandemonium lord
412332 | Zig:19   | Killed Wusalahi the pandemonium lord
412332 | Zig:19   | Noticed Awaq the pandemonium lord
412332 | Zig:19   | Killed Jeintiph the pandemonium lord
412332 | Zig:19   | Noticed Jymeurph the pandemonium lord
412332 | Zig:19   | Noticed Oqounn the pandemonium lord
412332 | Zig:19   | Noticed Nyigh the pandemonium lord
412333 | Zig:19   | Killed Oqounn the pandemonium lord
412333 | Zig:19   | Killed Gumpoxt the pandemonium lord
412333 | Zig:19   | Noticed Xemacvol the pandemonium lord
412334 | Zig:19   | Killed Recwev the pandemonium lord
412334 | Zig:19   | Killed Qenlit the pandemonium lord
412334 | Zig:19   | Killed Guxkesm the pandemonium lord
412334 | Zig:19   | Killed Nyigh the pandemonium lord
412334 | Zig:19   | Killed Ussirias the pandemonium lord
412334 | Zig:19   | Noticed Teurir the pandemonium lord
412334 | Zig:19   | Noticed Wyqept the pandemonium lord
412334 | Zig:19   | Noticed Ziklyiho the pandemonium lord
412334 | Zig:19   | Noticed Cytzaf the pandemonium lord
412335 | Zig:19   | Noticed Enuc the pandemonium lord
412335 | Zig:19   | Noticed Tarogast the pandemonium lord
412335 | Zig:19   | Noticed Ber Gaax the pandemonium lord
412335 | Zig:19   | Noticed Jim Ogix the pandemonium lord
412335 | Zig:19   | Noticed Suom the pandemonium lord
412336 | Zig:19   | Noticed Jaydyewa the pandemonium lord
412336 | Zig:19   | Killed Zisa the pandemonium lord
412337 | Zig:19   | Killed Jymeurph the pandemonium lord
412337 | Zig:19   | Killed Uhonosaj the pandemonium lord
412337 | Zig:19   | Killed Wyqept the pandemonium lord
412337 | Zig:19   | Noticed Buogui the pandemonium lord
412337 | Zig:19   | Noticed Toany the pandemonium lord
412337 | Zig:19   | Noticed Qulocer the pandemonium lord
412338 | Zig:19   | Noticed Colahism the pandemonium lord
412338 | Zig:19   | Noticed Gusifa the pandemonium lord
412338 | Zig:19   | Noticed Loyto the pandemonium lord
412339 | Zig:19   | Killed Ziklyiho the pandemonium lord
412339 | Zig:19   | Killed Enuc the pandemonium lord
412339 | Zig:19   | Killed Toany the pandemonium lord
412339 | Zig:19   | Killed Tarogast the pandemonium lord
412339 | Zig:19   | Noticed Cafenweu the pandemonium lord
412340 | Zig:19   | Killed Ber Gaax the pandemonium lord
412340 | Zig:19   | Killed Suom the pandemonium lord
412340 | Zig:19   | Noticed Ycu Yreq the pandemonium lord
412341 | Zig:19   | Noticed Etougoix the pandemonium lord
412341 | Zig:19   | Noticed Sagut the pandemonium lord
412341 | Zig:19   | Noticed Fusimout the pandemonium lord
412341 | Zig:19   | Noticed Reoqanat the pandemonium lord
412341 | Zig:19   | Noticed Gowecr Ymauss the pandemonium lord
412341 | Zig:19   | Noticed Giun the pandemonium lord
412341 | Zig:19   | Noticed Ahiukhaan the pandemonium lord
412341 | Zig:19   | Noticed Urronoy the pandemonium lord
412342 | Zig:19   | Noticed Pitam the pandemonium lord
412342 | Zig:19   | Killed Qulocer the pandemonium lord
412342 | Zig:19   | Killed Cytzaf the pandemonium lord
412342 | Zig:19   | Noticed Koanenimu the pandemonium lord
412343 | Zig:19   | Noticed Decadghir the pandemonium lord
412343 | Zig:19   | Noticed Gitoat the pandemonium lord
412345 | Zig:19   | Noticed Hamug the pandemonium lord
412346 | Zig:19   | Noticed Wemm the pandemonium lord
412347 | Zig:19   | Killed Jaydyewa the pandemonium lord
412349 | Zig:19   | Killed Xemacvol the pandemonium lord
412349 | Zig:19   | Noticed Ihingowk the pandemonium lord
412350 | Zig:19   | Noticed Wigrirhu the pandemonium lord
412350 | Zig:19   | Killed Awaq the pandemonium lord
412350 | Zig:19   | Noticed Deiposos the pandemonium lord
412350 | Zig:19   | Noticed Waaxkeor the pandemonium lord
412351 | Zig:19   | Noticed Texau the pandemonium lord
412351 | Zig:19   | Killed Cafenweu the pandemonium lord
412351 | Zig:19   | Killed Teurir the pandemonium lord
412351 | Zig:19   | Killed Fusimout the pandemonium lord
412351 | Zig:19   | Killed Reoqanat the pandemonium lord
412351 | Zig:19   | Killed Deiposos the pandemonium lord
412351 | Zig:19   | Killed Pitam the pandemonium lord
412351 | Zig:19   | Killed Etougoix the pandemonium lord
412351 | Zig:19   | Killed Gitoat the pandemonium lord
412351 | Zig:19   | Noticed Neozyav the pandemonium lord
412352 | Zig:19   | Killed Texau the pandemonium lord
412352 | Zig:19   | Killed Ahiukhaan the pandemonium lord
412352 | Zig:19   | Noticed Haokko the pandemonium lord
412352 | Zig:19   | Noticed Xyojul the pandemonium lord
412352 | Zig:19   | Noticed Xatiway the pandemonium lord
412353 | Zig:19   | Killed Gusifa the pandemonium lord
412353 | Zig:19   | Killed Buogui the pandemonium lord
412353 | Zig:19   | Killed Ycu Yreq the pandemonium lord
412353 | Zig:19   | Killed Giun the pandemonium lord
412353 | Zig:19   | Killed Gowecr Ymauss the pandemonium lord
412353 | Zig:19   | Killed Urronoy the pandemonium lord
412353 | Zig:19   | Noticed Gibreoj the pandemonium lord
412353 | Zig:19   | Noticed Baqoorgh the pandemonium lord
412353 | Zig:19   | Noticed Wisagoem the pandemonium lord
412353 | Zig:19   | Noticed Ehujieru the pandemonium lord
412353 | Zig:19   | Noticed Totir the pandemonium lord
412353 | Zig:19   | Noticed Jees the pandemonium lord
412353 | Zig:19   | Noticed Sitroafa the pandemonium lord
412353 | Zig:19   | Noticed Heifusy the pandemonium lord
412353 | Zig:19   | Noticed Ifam the pandemonium lord
412353 | Zig:19   | Noticed Xuaro the pandemonium lord
412353 | Zig:19   | Noticed Boisem the pandemonium lord
412353 | Zig:19   | Noticed Vufithre the pandemonium lord
412353 | Zig:19   | Noticed Visujeb the pandemonium lord
412353 | Zig:19   | Noticed Peoffam the pandemonium lord
412353 | Zig:19   | Noticed Uduir the pandemonium lord
412353 | Zig:19   | Noticed Joippec the pandemonium lord
412353 | Zig:19   | Noticed Doraqy the pandemonium lord
412353 | Zig:19   | Noticed Begeff the pandemonium lord
412353 | Zig:19   | Noticed Hiri the pandemonium lord
412353 | Zig:19   | Noticed Kacriu the pandemonium lord
412353 | Zig:19   | Noticed Atoafug the pandemonium lord
412353 | Zig:19   | Noticed Gaprept the pandemonium lord
412353 | Zig:19   | Noticed Hylelueb the pandemonium lord
412353 | Zig:19   | Noticed Iqasips the pandemonium lord
412353 | Zig:19   | Noticed Hantymin the pandemonium lord
412353 | Zig:19   | Noticed Juitev the pandemonium lord
412353 | Zig:19   | Noticed Irruntuff the pandemonium lord
412353 | Zig:19   | Noticed Etear the pandemonium lord
412353 | Zig:19   | Noticed Hythrodao the pandemonium lord
412353 | Zig:19   | Noticed Haezanem the pandemonium lord
412354 | Zig:19   | Killed Haokko the pandemonium lord
412355 | Zig:19   | Killed Jim Ogix the pandemonium lord
412355 | Zig:19   | Killed Koanenimu the pandemonium lord
412355 | Zig:19   | Killed Loyto the pandemonium lord
412355 | Zig:19   | Killed Colahism the pandemonium lord
412355 | Zig:19   | Killed Sagut the pandemonium lord
412355 | Zig:19   | Killed Wigrirhu the pandemonium lord
412355 | Zig:19   | Killed Hamug the pandemonium lord
412355 | Zig:19   | Killed Waaxkeor the pandemonium lord
412355 | Zig:19   | Killed Juitev the pandemonium lord
412355 | Zig:19   | Killed Wemm the pandemonium lord
412356 | Zig:19   | Killed Decadghir the pandemonium lord
412357 | Zig:19   | Killed Gibreoj the pandemonium lord
412357 | Zig:19   | Killed Xatiway the pandemonium lord
412357 | Zig:19   | Killed Wisagoem the pandemonium lord
412357 | Zig:19   | Killed Doraqy the pandemonium lord
412357 | Zig:19   | Killed Hylelueb the pandemonium lord
412357 | Zig:19   | Killed Etear the pandemonium lord
412357 | Zig:19   | Killed Hythrodao the pandemonium lord
412357 | Zig:19   | Killed Neozyav the pandemonium lord
412358 | Zig:19   | Killed Atoafug the pandemonium lord
412358 | Zig:19   | Killed Uduir the pandemonium lord
412359 | Zig:19   | Killed Xyojul the pandemonium lord
412360 | Zig:19   | Killed Ihingowk the pandemonium lord
412360 | Zig:19   | Killed Vufithre the pandemonium lord
412360 | Zig:19   | Noticed Wafaont the pandemonium lord
412366 | Zig:19   | Killed Ifam the pandemonium lord
412366 | Zig:19   | Killed Hiri the pandemonium lord
412367 | Zig:19   | Killed Joippec the pandemonium lord
412367 | Zig:19   | Killed Visujeb the pandemonium lord
412367 | Zig:19   | Noticed Ihannam the pandemonium lord
412368 | Zig:19   | Noticed Nuruewkel the pandemonium lord
412369 | Zig:19   | Killed Wafaont the pandemonium lord
412369 | Zig:19   | Noticed Bakhuq the pandemonium lord
412370 | Zig:19   | Noticed Qyupp the pandemonium lord
412372 | Zig:19   | Killed Hantymin the pandemonium lord
412372 | Zig:19   | Killed Sitroafa the pandemonium lord
412372 | Zig:19   | Killed Totir the pandemonium lord
412372 | Zig:19   | Killed Ihannam the pandemonium lord
412372 | Zig:19   | Killed Iqasips the pandemonium lord
412372 | Zig:19   | Killed Nuruewkel the pandemonium lord
412373 | Zig:19   | Noticed Xuoso the pandemonium lord
412374 | Zig:19   | Killed Qyupp the pandemonium lord
412374 | Zig:19   | Killed Jees the pandemonium lord
412374 | Zig:19   | Killed Boisem the pandemonium lord
412374 | Zig:19   | Killed Bakhuq the pandemonium lord
412374 | Zig:19   | Noticed Owebben the pandemonium lord
412375 | Zig:19   | Killed Xuaro the pandemonium lord
412375 | Zig:19   | Noticed Deer Kia the pandemonium lord
412376 | Zig:19   | Noticed Tirufu Tiuck the pandemonium lord
412379 | Zig:19   | Killed Begeff the pandemonium lord
412379 | Zig:19   | Killed Gaprept the pandemonium lord
412379 | Zig:19   | Killed Ehujieru the pandemonium lord
412379 | Zig:19   | Killed Xuoso the pandemonium lord
412380 | Zig:19   | Killed Deer Kia the pandemonium lord
412380 | Zig:19   | Killed Owebben the pandemonium lord
412380 | Zig:19   | Noticed Yrasul the pandemonium lord
412381 | Zig:19   | Noticed Saum the pandemonium lord
412382 | Zig:19   | Noticed Lacetzuo the pandemonium lord
412382 | Zig:19   | Noticed Arecrusm the pandemonium lord
412384 | Zig:19   | Noticed Abewotz the pandemonium lord
412387 | Zig:19   | Noticed Ciamut the pandemonium lord
412389 | Zig:19   | Noticed Peaka the pandemonium lord
412390 | Zig:19   | Noticed Fulap the pandemonium lord
412390 | Zig:19   | Killed Baqoorgh the pandemonium lord
412393 | Zig:19   | Noticed Pagetz the pandemonium lord
412394 | Zig:19   | Killed Yrasul the pandemonium lord
412394 | Zig:19   | Killed Lacetzuo the pandemonium lord
412394 | Zig:19   | Killed Abewotz the pandemonium lord
412394 | Zig:19   | Killed Fulap the pandemonium lord
412394 | Zig:19   | Killed Kacriu the pandemonium lord
412394 | Zig:19   | Killed Ciamut the pandemonium lord
412394 | Zig:19   | Killed Tirufu Tiuck the pandemonium lord
412394 | Zig:19   | Killed Heifusy the pandemonium lord
412394 | Zig:19   | Killed Peaka the pandemonium lord
412394 | Zig:19   | Noticed Zyth the pandemonium lord
412394 | Zig:19   | Noticed Lonimp the pandemonium lord
412394 | Zig:19   | Noticed Lame the pandemonium lord
412395 | Zig:19   | Noticed Nosun the pandemonium lord
412395 | Zig:19   | Noticed Emnao the pandemonium lord
412396 | Zig:19   | Killed Saum the pandemonium lord
412396 | Zig:19   | Killed Arecrusm the pandemonium lord
412397 | Zig:19   | Killed Pagetz the pandemonium lord
412397 | Zig:19   | Noticed Wehaus the pandemonium lord
412398 | Zig:19   | Noticed Belollue the pandemonium lord
412400 | Zig:19   | Killed Lame the pandemonium lord
412400 | Zig:19   | Killed Emnao the pandemonium lord
412400 | Zig:19   | Killed Nosun the pandemonium lord
412400 | Zig:19   | Noticed Wiabiokk the pandemonium lord
412401 | Zig:19   | Killed Haezanem the pandemonium lord
412401 | Zig:19   | Killed Belollue the pandemonium lord
412402 | Zig:19   | Killed Zyth the pandemonium lord
412402 | Zig:19   | Killed Lonimp the pandemonium lord
412402 | Zig:19   | Killed Peoffam the pandemonium lord
412402 | Zig:19   | Noticed Mozxein the pandemonium lord
412402 | Zig:19   | Noticed Dusch the pandemonium lord
412403 | Zig:19   | Killed Wehaus the pandemonium lord
412403 | Zig:19   | Killed Wiabiokk the pandemonium lord
412403 | Zig:19   | Noticed Axeama Yrghi the pandemonium lord
412403 | Zig:19   | Noticed Gaydeyn the pandemonium lord
412405 | Zig:19   | Killed Dusch the pandemonium lord
412405 | Zig:19   | Noticed Xitzas the pandemonium lord
412406 | Zig:19   | Noticed Etene the pandemonium lord
412407 | Zig:19   | Noticed Xyjoeps the pandemonium lord
412407 | Zig:19   | Noticed Fuop the pandemonium lord
412407 | Zig:19   | Noticed Gaic the pandemonium lord
412408 | Zig:19   | Noticed Unez the pandemonium lord
412409 | Zig:19   | Noticed Diepsimm the pandemonium lord
412409 | Zig:19   | Noticed Hehoz the pandemonium lord
412410 | Zig:19   | Killed Axeama Yrghi the pandemonium lord
412410 | Zig:19   | Noticed Loisut the pandemonium lord
412411 | Zig:19   | Killed Mozxein the pandemonium lord
412411 | Zig:19   | Killed Etene the pandemonium lord
412411 | Zig:19   | Killed Gaydeyn the pandemonium lord
412411 | Zig:19   | Noticed Uvuatil the pandemonium lord
412411 | Zig:19   | Noticed Effostue the pandemonium lord
412412 | Zig:19   | Killed Xyjoeps the pandemonium lord
412412 | Zig:19   | Killed Hehoz the pandemonium lord
412412 | Zig:19   | Killed Effostue the pandemonium lord
412412 | Zig:19   | Killed Gaic the pandemonium lord
412412 | Zig:19   | Noticed Xeujeagu the pandemonium lord
412412 | Zig:19   | Noticed Wafiraus the pandemonium lord
412412 | Zig:19   | Noticed Vyechy the pandemonium lord
412413 | Zig:19   | Noticed Sucevemo the pandemonium lord
412413 | Zig:19   | Killed Unez the pandemonium lord
412413 | Zig:19   | Killed Loisut the pandemonium lord
412413 | Zig:19   | Killed Fuop the pandemonium lord
412414 | Zig:19   | Killed Vyechy the pandemonium lord
412414 | Zig:19   | Killed Diepsimm the pandemonium lord
412414 | Zig:19   | Noticed Fauntiv the pandemonium lord
412415 | Zig:19   | Killed Xitzas the pandemonium lord
412415 | Zig:19   | Noticed Mutal the pandemonium lord
412415 | Zig:19   | Noticed Ocutiasko the pandemonium lord
412416 | Zig:19   | Killed Wafiraus the pandemonium lord
412416 | Zig:19   | Noticed Pyij the pandemonium lord
412416 | Zig:19   | Noticed Hetoan Koba the pandemonium lord
412416 | Zig:19   | Noticed Uxzopoir the pandemonium lord
412417 | Zig:19   | Killed Ocutiasko the pandemonium lord
412417 | Zig:19   | Killed Fauntiv the pandemonium lord
412417 | Zig:19   | Killed Uxzopoir the pandemonium lord
412417 | Zig:19   | Killed Mutal the pandemonium lord
412417 | Zig:19   | Killed Sucevemo the pandemonium lord
412417 | Zig:19   | Killed Uvuatil the pandemonium lord
412417 | Zig:19   | Killed Xeujeagu the pandemonium lord
412417 | Zig:19   | Noticed Kuasic the pandemonium lord
412417 | Zig:19   | Noticed Yfinoin the pandemonium lord
412418 | Zig:19   | Killed Hetoan Koba the pandemonium lord
412418 | Zig:19   | Killed Yfinoin the pandemonium lord
412418 | Zig:19   | Noticed Kogeezuh the pandemonium lord
412418 | Zig:19   | Noticed Ihed the pandemonium lord
412418 | Zig:19   | Noticed Xicaergh the pandemonium lord
412419 | Zig:19   | Killed Kuasic the pandemonium lord
412420 | Zig:19   | Killed Xicaergh the pandemonium lord
412420 | Zig:19   | Killed Pyij the pandemonium lord
412421 | Zig:19   | Killed Ihed the pandemonium lord
412421 | Zig:19   | Noticed Ituwnyex the pandemonium lord
412421 | Zig:19   | Noticed Jitos the pandemonium lord
412425 | Zig:19   | Noticed Yschannun the pandemonium lord
412425 | Zig:19   | Killed Kogeezuh the pandemonium lord
412425 | Zig:19   | Noticed Diohang the pandemonium lord
412426 | Zig:19   | Killed Yschannun the pandemonium lord
412427 | Zig:19   | Killed Jitos the pandemonium lord
412427 | Zig:19   | Killed Diohang the pandemonium lord
412427 | Zig:19   | Noticed Gente the pandemonium lord
412427 | Zig:19   | Noticed Voallel the pandemonium lord
412428 | Zig:19   | Noticed Fojad the pandemonium lord
412429 | Zig:19   | Killed Ituwnyex the pandemonium lord
412430 | Zig:19   | Killed Voallel the pandemonium lord
412430 | Zig:19   | Killed Fojad the pandemonium lord
412430 | Zig:19   | Noticed Doezusudd the pandemonium lord
412430 | Zig:19   | Noticed Qudauw the pandemonium lord
412433 | Zig:19   | Killed Gente the pandemonium lord
412436 | Zig:19   | Noticed Monepta the pandemonium lord
412443 | Zig:19   | Noticed Mitt the pandemonium lord
412451 | Zig:19   | Killed Doezusudd the pandemonium lord
412453 | Zig:19   | Noticed Cistum the pandemonium lord
412454 | Zig:19   | Killed Monepta the pandemonium lord
412454 | Zig:19   | Killed Irruntuff the pandemonium lord
412454 | Zig:19   | Killed Mitt the pandemonium lord
412456 | Zig:19   | Killed Qudauw the pandemonium lord
412458 | Zig:19   | Noticed Rakai the pandemonium lord
412458 | Zig:19   | Noticed Xolinuk the pandemonium lord
412459 | Zig:19   | Noticed Iweorch the pandemonium lord
412460 | Zig:19   | Killed Cistum the pandemonium lord
412461 | Zig:19   | Noticed Binkuusuink the pandemonium lord
412463 | Zig:19   | Killed Xolinuk the pandemonium lord
412463 | Zig:19   | Killed Iweorch the pandemonium lord
412464 | Zig:19   | Killed Rakai the pandemonium lord
412464 | Zig:19   | Killed Binkuusuink the pandemonium lord
412465 | Zig:19   | Noticed Umoitwyh the pandemonium lord
412470 | Zig:19   | Noticed Necrupp the pandemonium lord
412474 | Zig:19   | Killed Umoitwyh the pandemonium lord
412475 | Zig:19   | Killed Necrupp the pandemonium lord
412953 | Zig:19   | Identified the +11 lajatang "Molazaynn" {freeze, Str+4}
412955 | Zig:19   | Identified the quicksilver dragon scales of Shielding
                  | {rElec Will+ SInv}
412968 | Zig:19   | Identified the amulet of False Hope {RegenMP rPois rF++}
412970 | Zig:19   | Identified the ring of Lerr {Will+ Dex+6}
412975 | Zig:19   | Identified the ring of Henotheism {rF+ EV+5}
412996 | Zig:19   | Identified the +1 trident of Defenestration {protect,
                  | *Corrode rElec rPois rN++}
413025 | Zig:19   | Identified the ring "Ekowi" {rC+ Str+8 Dex+4}
413027 | Zig:19   | Identified the ring of the Spinneret {Wiz Int+3 Dex+3}
413029 | Zig:19   | Identified the +3 chain mail of the Shouting Gods {rC+
                  | Dex+3}
413032 | Zig:19   | Identified the +6 dagger of the Fool {heavy, rElec Will+}
413091 | Zig:20   | Entered Level 20 of a ziggurat
413091 | Zig:20   | Noticed Unuchuin's ghost (legendary GnFi)
413091 | Zig:20   | Noticed SevenDeadlySins's ghost (legendary DrCj)
413091 | Zig:20   | Noticed Alysiarr's ghost (legendary KoHu)
413091 | Zig:20   | Noticed Nenig's ghost (legendary GnFi)
413091 | Zig:20   | Noticed Saphesar's ghost (veteran DsFi)
413091 | Zig:20   | Noticed Ekeiwkem's ghost (legendary DsFi)
413091 | Zig:20   | Noticed meatyocre's ghost (veteran TrFi)
413091 | Zig:20   | Noticed BoringLoser's ghost (veteran TeAE)
413091 | Zig:20   | Noticed Xocw's ghost (legendary GrMo)
413091 | Zig:20   | Noticed Heartburn's ghost (veteran MiFi)
413091 | Zig:20   | Noticed Saphesar's ghost (veteran DsFi)
413091 | Zig:20   | Noticed Haitsiopt's ghost (legendary DsGl)
413091 | Zig:20   | Noticed frimble's ghost (legendary GrFi)
413091 | Zig:20   | Noticed Fouwomub's ghost (legendary FoEE)
413091 | Zig:20   | Noticed Nenig's ghost (legendary GnFi)
413091 | Zig:20   | Noticed runemage's ghost (legendary GnFi)
413091 | Zig:20   | Noticed SevenDeadlySins's ghost (legendary DrCj)
413091 | Zig:20   | Noticed tigertrap's ghost (legendary DgHW)
413091 | Zig:20   | Noticed Zoplarin's ghost (legendary BaSk)
413091 | Zig:20   | Noticed Ikusitist's ghost (legendary NaFE)
413091 | Zig:20   | Noticed Waohesse's ghost (legendary VSFi)
413091 | Zig:20   | Noticed Kufiz's ghost (master GrCK)
413091 | Zig:20   | Noticed Ekeiwkem's ghost (legendary DsFi)
413091 | Zig:20   | Noticed Shayle's ghost (legendary GnHW)
413091 | Zig:20   | Noticed Wammos's ghost (legendary TeCj)
413091 | Zig:20   | Noticed andrewp's ghost (veteran MiBe)
413091 | Zig:20   | Noticed WiseOSalty's ghost (legendary TrGl)
413091 | Zig:20   | Noticed Pikuto's ghost (adept MiBe)
413091 | Zig:20   | Noticed reasonance's ghost (legendary HOMo)
413091 | Zig:20   | Noticed melllvar's ghost (legendary MiBe)
413091 | Zig:20   | Noticed deprived's ghost (legendary HOFi)
413091 | Zig:20   | Noticed Xutext's ghost (adept DsAK)
413091 | Zig:20   | Noticed scarywalker64's ghost (legendary GrEE)
413091 | Zig:20   | Noticed Gemnonof's ghost (adept DgCj)
413091 | Zig:20   | Noticed Kalug's ghost (legendary DrFi)
413091 | Zig:20   | Noticed Haitsiopt's ghost (legendary DsGl)
413091 | Zig:20   | Noticed Sext's ghost (legendary MiFi)
413091 | Zig:20   | Noticed Kucykkydd's ghost (legendary MiFi)
413091 | Zig:20   | Noticed Zachydoop's ghost (veteran MiMo)
413091 | Zig:20   | Noticed Xutext's ghost (adept DsAK)
413091 | Zig:20   | Noticed thechecker02's ghost (legendary DDFi)
413091 | Zig:20   | Noticed Nenig's ghost (legendary GnFi)
413091 | Zig:20   | Noticed astronautguy's ghost (legendary FoEE)
413091 | Zig:20   | Noticed Janeylunn's ghost (veteran GnWn)
413091 | Zig:20   | Noticed Zeph's ghost (adept NaFi)
413092 | Zig:20   | Killed Xutext's ghost
413093 | Zig:20   | Noticed Dameikh's ghost (veteran FoFi)
413093 | Zig:20   | Noticed Amikeex's ghost (adept TrMo)
413093 | Zig:20   | Noticed GlasyaLabolas's ghost (legendary MiFi)
413093 | Zig:20   | Noticed Dameikh's ghost (veteran FoFi)
413093 | Zig:20   | Noticed Rueful's ghost (legendary TrWr)
413093 | Zig:20   | Noticed Marixus's ghost (legendary DDFi)
413094 | Zig:20   | Noticed Rocah's ghost (veteran GrFi)
413094 | Zig:20   | Killed Heartburn's ghost
413094 | Zig:20   | Killed Xutext's ghost
413097 | Zig:20   | Noticed Piginabag's ghost (legendary DsSk)
413097 | Zig:20   | Killed scarywalker64's ghost
413097 | Zig:20   | Killed thechecker02's ghost
413097 | Zig:20   | Killed Sext's ghost
413097 | Zig:20   | Killed Janeylunn's ghost
413097 | Zig:20   | Killed frimble's ghost
413097 | Zig:20   | Killed Wammos's ghost
413097 | Zig:20   | Killed Gemnonof's ghost
413097 | Zig:20   | Killed Kalug's ghost
413097 | Zig:20   | Noticed lukano's ghost (legendary GrFi)
413098 | Zig:20   | Killed Nenig's ghost
413099 | Zig:20   | Killed Ekeiwkem's ghost
413099 | Zig:20   | Killed runemage's ghost
413099 | Zig:20   | Killed Shayle's ghost
413099 | Zig:20   | Killed astronautguy's ghost
413099 | Zig:20   | Killed andrewp's ghost
413099 | Zig:20   | Killed Nenig's ghost
413099 | Zig:20   | Killed tigertrap's ghost
413099 | Zig:20   | Killed Xocw's ghost
413099 | Zig:20   | Killed melllvar's ghost
413099 | Zig:20   | Killed Pikuto's ghost
413099 | Zig:20   | Killed Zoplarin's ghost
413099 | Zig:20   | Killed BoringLoser's ghost
413099 | Zig:20   | Noticed Xocw's ghost (legendary GrMo)
413099 | Zig:20   | Noticed frimble's ghost (adept DsGl)
413100 | Zig:20   | Killed SevenDeadlySins's ghost
413100 | Zig:20   | Killed Zachydoop's ghost
413100 | Zig:20   | Killed Rocah's ghost
413100 | Zig:20   | Killed Saphesar's ghost
413100 | Zig:20   | Killed Kufiz's ghost
413100 | Zig:20   | Killed Dameikh's ghost
413100 | Zig:20   | Killed Amikeex's ghost
413100 | Zig:20   | Killed meatyocre's ghost
413100 | Zig:20   | Killed Alysiarr's ghost
413100 | Zig:20   | Killed SevenDeadlySins's ghost
413100 | Zig:20   | Killed WiseOSalty's ghost
413100 | Zig:20   | Noticed Kalug's ghost (legendary DrFi)
413100 | Zig:20   | Noticed Rocah's ghost (veteran GrFi)
413100 | Zig:20   | Noticed lmSkywalker's ghost (adept DrTm)
413100 | Zig:20   | Noticed scarywalker64's ghost (veteran BaSu)
413101 | Zig:20   | Killed Ekeiwkem's ghost
413102 | Zig:20   | Noticed BerryKnight's ghost (legendary DgFi)
413102 | Zig:20   | Noticed runemage's ghost (legendary GnFi)
413102 | Zig:20   | Noticed Oreexun's ghost (legendary DECj)
413102 | Zig:20   | Noticed heteroy's ghost (legendary DsHu)
413103 | Zig:20   | Killed Haitsiopt's ghost
413103 | Zig:20   | Killed Haitsiopt's ghost
413103 | Zig:20   | Killed Kucykkydd's ghost
413103 | Zig:20   | Killed Rueful's ghost
413103 | Zig:20   | Killed Zeph's ghost
413103 | Zig:20   | Killed Fouwomub's ghost
413103 | Zig:20   | Killed reasonance's ghost
413103 | Zig:20   | Noticed Viugiw's ghost (legendary TeBe)
413103 | Zig:20   | Noticed Hewasun's ghost (legendary MiBe)
413104 | Zig:20   | Noticed Kufiz's ghost (master GrCK)
413104 | Zig:20   | Killed lukano's ghost
413104 | Zig:20   | Killed scarywalker64's ghost
413104 | Zig:20   | Killed frimble's ghost
413104 | Zig:20   | Killed Nenig's ghost
413105 | Zig:20   | Noticed Zenecom's ghost (legendary MiFi)
413105 | Zig:20   | Noticed astronautguy's ghost (legendary FoEE)
413105 | Zig:20   | Noticed Fusentrap's ghost (legendary MiBe)
413105 | Zig:20   | Noticed Totuz's ghost (legendary HOFi)
413105 | Zig:20   | Noticed Diezoyro's ghost (legendary DDNe)
413105 | Zig:20   | Noticed Zachydoop's ghost (veteran MiMo)
413105 | Zig:20   | Noticed Dittersdorf's ghost (legendary MiBe)
413105 | Zig:20   | Noticed WeeknightWizard's ghost (veteran DEFE)
413105 | Zig:20   | Noticed Talannal's ghost (legendary GnHW)
413105 | Zig:20   | Noticed blexxed's ghost (legendary DsFi)
413106 | Zig:20   | Noticed Veodywke's ghost (legendary MiBe)
413106 | Zig:20   | Noticed yaoilover's ghost (veteran MiBe)
413106 | Zig:20   | Noticed Kalug's ghost (legendary DrFi)
413106 | Zig:20   | Noticed Teaz Xo Upt's ghost (legendary GnFE)
413106 | Zig:20   | Noticed Barug's ghost (adept TrMo)
413109 | Zig:20   | Noticed xzight's ghost (legendary MiBe)
413111 | Zig:20   | Noticed Fenir's ghost (legendary GnAE)
413111 | Zig:20   | Noticed Hewasun's ghost (legendary MiBe)
413113 | Zig:20   | Killed Saphesar's ghost
413113 | Zig:20   | Killed Piginabag's ghost
413113 | Zig:20   | Killed Ikusitist's ghost
413113 | Zig:20   | Killed Oreexun's ghost
413113 | Zig:20   | Killed Dameikh's ghost
413113 | Zig:20   | Noticed Himmaryad's ghost (adept TrMo)
413114 | Zig:20   | Noticed blexxed's ghost (legendary DsFi)
413114 | Zig:20   | Noticed WeeknightWizard's ghost (veteran DEFE)
413114 | Zig:20   | Noticed Gucom's ghost (veteran GnFi)
413114 | Zig:20   | Noticed swap's ghost (legendary DEFE)
413114 | Zig:20   | Noticed Huju's ghost (legendary HOFi)
413115 | Zig:20   | Killed Marixus's ghost
413116 | Zig:20   | Killed deprived's ghost
413116 | Zig:20   | Killed Rocah's ghost
413116 | Zig:20   | Noticed Waohesse's ghost (legendary VSFi)
413117 | Zig:20   | Noticed frimble's ghost (adept DsGl)
413120 | Zig:20   | Killed Viugiw's ghost
413124 | Zig:20   | Killed Unuchuin's ghost
413125 | Zig:20   | Killed BerryKnight's ghost
413125 | Zig:20   | Killed Xocw's ghost
413125 | Zig:20   | Killed WeeknightWizard's ghost
413125 | Zig:20   | Killed Kalug's ghost
413125 | Zig:20   | Killed Kalug's ghost
413125 | Zig:20   | Killed Zenecom's ghost
413125 | Zig:20   | Killed Teaz Xo Upt's ghost
413125 | Zig:20   | Killed yaoilover's ghost
413126 | Zig:20   | Noticed Zachydoop's ghost (veteran MiGl)
413126 | Zig:20   | Killed runemage's ghost
413126 | Zig:20   | Killed Talannal's ghost
413126 | Zig:20   | Killed blexxed's ghost
413126 | Zig:20   | Killed Waohesse's ghost
413126 | Zig:20   | Killed Hewasun's ghost
413126 | Zig:20   | Killed Totuz's ghost
413127 | Zig:20   | Killed xzight's ghost
413127 | Zig:20   | Killed Gucom's ghost
413128 | Zig:20   | Killed Fusentrap's ghost
413128 | Zig:20   | Killed Veodywke's ghost
413128 | Zig:20   | Killed WeeknightWizard's ghost
413128 | Zig:20   | Killed Himmaryad's ghost
413128 | Zig:20   | Noticed strangelove's ghost (master GrEE)
413128 | Zig:20   | Noticed astronautguy's ghost (legendary FoEE)
413129 | Zig:20   | Killed Kufiz's ghost
413130 | Zig:20   | Noticed swap's ghost (legendary DEFE)
413130 | Zig:20   | Noticed Boduf's ghost (legendary FoHu)
413131 | Zig:20   | Noticed Piginabag's ghost (legendary DsSk)
413131 | Zig:20   | Noticed sleeves's ghost (legendary HuSk)
413132 | Zig:20   | Killed GlasyaLabolas's ghost
413133 | Zig:20   | Killed Barug's ghost
413133 | Zig:20   | Killed swap's ghost
413133 | Zig:20   | Killed astronautguy's ghost
413133 | Zig:20   | Killed Zachydoop's ghost
413134 | Zig:20   | Killed heteroy's ghost
413134 | Zig:20   | Killed Zachydoop's ghost
413134 | Zig:20   | Noticed astronautguy's ghost (legendary FoEE)
413135 | Zig:20   | Killed Huju's ghost
413135 | Zig:20   | Killed sleeves's ghost
413135 | Zig:20   | Killed swap's ghost
413135 | Zig:20   | Killed Diezoyro's ghost
413135 | Zig:20   | Killed strangelove's ghost
413135 | Zig:20   | Killed blexxed's ghost
413135 | Zig:20   | Noticed Oreexun's ghost (legendary DECj)
413135 | Zig:20   | Noticed Dittersdorf's ghost (legendary MiBe)
413137 | Zig:20   | Killed Hewasun's ghost
413137 | Zig:20   | Killed astronautguy's ghost
413137 | Zig:20   | Noticed Rueful's ghost (legendary TrWr)
413137 | Zig:20   | Noticed Zoplarin's ghost (legendary BaSk)
413137 | Zig:20   | Noticed frimble's ghost (legendary DsFi)
413138 | Zig:20   | Killed Fenir's ghost
413138 | Zig:20   | Killed Piginabag's ghost
413138 | Zig:20   | Noticed agentgt's ghost (legendary MiCK)
413138 | Zig:20   | Noticed Kucykkydd's ghost (legendary MiFi)
413138 | Zig:20   | Noticed Viocziel's ghost (adept TrMo)
413138 | Zig:20   | Noticed Waohesse's ghost (legendary VSFi)
413139 | Zig:20   | Killed Waohesse's ghost
413139 | Zig:20   | Killed Boduf's ghost
413139 | Zig:20   | Killed Oreexun's ghost
413139 | Zig:20   | Killed frimble's ghost
413140 | Zig:20   | Killed lmSkywalker's ghost
413140 | Zig:20   | Noticed Nenig's ghost (legendary GnFi)
413140 | Zig:20   | Noticed WeeknightWizard's ghost (veteran DEFE)
413140 | Zig:20   | Noticed BoringLoser's ghost (veteran TeAE)
413141 | Zig:20   | Killed Waohesse's ghost
413141 | Zig:20   | Killed frimble's ghost
413141 | Zig:20   | Noticed Zeph's ghost (adept NaFi)
413141 | Zig:20   | Noticed corvin's ghost (legendary OgWn)
413141 | Zig:20   | Noticed Zenecom's ghost (legendary MiFi)
413142 | Zig:20   | Killed Rueful's ghost
413142 | Zig:20   | Killed WeeknightWizard's ghost
413142 | Zig:20   | Killed agentgt's ghost
413142 | Zig:20   | Noticed Pusocauss's ghost (legendary VSBe)
413142 | Zig:20   | Noticed Fusentrap's ghost (legendary MiBe)
413142 | Zig:20   | Noticed Xatwola's ghost (legendary DDFi)
413143 | Zig:20   | Killed Zoplarin's ghost
413143 | Zig:20   | Killed Viocziel's ghost
413144 | Zig:20   | Noticed Fueng's ghost (legendary HOFi)
413145 | Zig:20   | Killed astronautguy's ghost
413145 | Zig:20   | Killed Kucykkydd's ghost
413145 | Zig:20   | Killed BoringLoser's ghost
413145 | Zig:20   | Noticed Ubraesch's ghost (adept TrMo)
413145 | Zig:20   | Noticed Polaczum's ghost (adept TrMo)
413145 | Zig:20   | Noticed Huju's ghost (legendary HOFi)
413146 | Zig:20   | Killed Dittersdorf's ghost
413146 | Zig:20   | Killed Zeph's ghost
413146 | Zig:20   | Killed corvin's ghost
413147 | Zig:20   | Killed Nenig's ghost
413147 | Zig:20   | Killed Dittersdorf's ghost
413147 | Zig:20   | Killed Pusocauss's ghost
413147 | Zig:20   | Noticed Vuopse's ghost (legendary GnIE)
413147 | Zig:20   | Noticed Fueng's ghost (legendary HOFi)
413147 | Zig:20   | Noticed Evehuixoju's ghost (legendary VSFi)
413148 | Zig:20   | Killed Zenecom's ghost
413148 | Zig:20   | Killed Fusentrap's ghost
413148 | Zig:20   | Killed Xatwola's ghost
413148 | Zig:20   | Killed Polaczum's ghost
413148 | Zig:20   | Killed Ubraesch's ghost
413149 | Zig:20   | Noticed Unuchuin's ghost (legendary GnFi)
413149 | Zig:20   | Noticed deprived's ghost (legendary HOFi)
413149 | Zig:20   | Noticed Jeklifit's ghost (legendary FoFi)
413149 | Zig:20   | Noticed SevenDeadlySins's ghost (legendary DrCj)
413149 | Zig:20   | Noticed Viugiw's ghost (legendary TeBe)
413150 | Zig:20   | Noticed Likado's ghost (legendary GnSk)
413150 | Zig:20   | Noticed thechecker02's ghost (legendary DDFi)
413150 | Zig:20   | Noticed Alysiarr's ghost (legendary KoHu)
413152 | Zig:20   | Killed Fueng's ghost
413152 | Zig:20   | Noticed Giojuova's ghost (legendary GnBe)
413152 | Zig:20   | Noticed Motirgh's ghost (legendary DgHW)
413153 | Zig:20   | Killed Fueng's ghost
413153 | Zig:20   | Killed Evehuixoju's ghost
413153 | Zig:20   | Killed thechecker02's ghost
413153 | Zig:20   | Noticed astronautguy's ghost (legendary FoEE)
413153 | Zig:20   | Noticed Rirumasy's ghost (legendary OpWn)
413153 | Zig:20   | Noticed Ubraesch's ghost (adept TrMo)
413153 | Zig:20   | Noticed tigertrap's ghost (legendary DgHW)
413154 | Zig:20   | Killed Huju's ghost
413154 | Zig:20   | Killed Vuopse's ghost
413154 | Zig:20   | Killed Viugiw's ghost
413154 | Zig:20   | Killed Alysiarr's ghost
413155 | Zig:20   | Killed Jeklifit's ghost
413155 | Zig:20   | Killed deprived's ghost
413155 | Zig:20   | Noticed stevelinton's ghost (legendary KoBe)
413155 | Zig:20   | Noticed Marixus's ghost (legendary DDFi)
413155 | Zig:20   | Noticed Viugiw's ghost (legendary TeBe)
413156 | Zig:20   | Killed SevenDeadlySins's ghost
413156 | Zig:20   | Killed Giojuova's ghost
413156 | Zig:20   | Killed Unuchuin's ghost
413156 | Zig:20   | Killed Motirgh's ghost
413156 | Zig:20   | Killed Ubraesch's ghost
413156 | Zig:20   | Noticed deprived's ghost (legendary HOFi)
413156 | Zig:20   | Noticed Zoplarin's ghost (legendary BaSk)
413157 | Zig:20   | Noticed Hacvoq's ghost (legendary HOFi)
413157 | Zig:20   | Killed Likado's ghost
413157 | Zig:20   | Killed Rirumasy's ghost
413158 | Zig:20   | Killed astronautguy's ghost
413158 | Zig:20   | Killed stevelinton's ghost
413158 | Zig:20   | Killed tigertrap's ghost
413158 | Zig:20   | Noticed Zonian's ghost (legendary HOFi)
413158 | Zig:20   | Noticed Zachydoop's ghost (veteran MiMo)
413158 | Zig:20   | Noticed Shayle's ghost (legendary GnHW)
413158 | Zig:20   | Noticed runemage's ghost (legendary GnFi)
413158 | Zig:20   | Noticed Uhosoup's ghost (veteran GrFi)
413158 | Zig:20   | Noticed Xatwola's ghost (legendary DDFi)
413158 | Zig:20   | Noticed Rueful's ghost (legendary TrWr)
413161 | Zig:20   | Killed deprived's ghost
413161 | Zig:20   | Killed Viugiw's ghost
413161 | Zig:20   | Noticed Hewasun's ghost (legendary MiBe)
413161 | Zig:20   | Noticed agentgt's ghost (legendary MiCK)
413162 | Zig:20   | Killed Rueful's ghost
413162 | Zig:20   | Killed runemage's ghost
413162 | Zig:20   | Killed Marixus's ghost
413163 | Zig:20   | Killed Zoplarin's ghost
413164 | Zig:20   | Killed Zachydoop's ghost
413164 | Zig:20   | Killed Shayle's ghost
413164 | Zig:20   | Killed Xatwola's ghost
413164 | Zig:20   | Noticed Uhosoup's ghost (veteran GrFi)
413164 | Zig:20   | Noticed WiseOSalty's ghost (legendary TrGl)
413164 | Zig:20   | Noticed SevenDeadlySins's ghost (legendary DrCj)
413164 | Zig:20   | Noticed Huju's ghost (legendary HOFi)
413166 | Zig:20   | Noticed Godueg's ghost (veteran HOFi)
413167 | Zig:20   | Noticed frimble's ghost (legendary GrFi)
413167 | Zig:20   | Killed Uhosoup's ghost
413167 | Zig:20   | Noticed Xaowkis's ghost (legendary GnWr)
413167 | Zig:20   | Noticed Ycuhohed's ghost (veteran TeBe)
413167 | Zig:20   | Noticed Likado's ghost (legendary GnSk)
413168 | Zig:20   | Killed frimble's ghost
413169 | Zig:20   | Killed Uhosoup's ghost
413169 | Zig:20   | Killed Hewasun's ghost
413169 | Zig:20   | Noticed Qeilemp's ghost (legendary HOFi)
413169 | Zig:20   | Noticed Pohawk's ghost (adept MiGl)
413170 | Zig:20   | Noticed andrewp's ghost (veteran MiBe)
413170 | Zig:20   | Noticed Totuz's ghost (legendary HOFi)
413171 | Zig:20   | Noticed corvin's ghost (legendary OgWn)
413172 | Zig:20   | Killed Hacvoq's ghost
413172 | Zig:20   | Killed SevenDeadlySins's ghost
413172 | Zig:20   | Killed agentgt's ghost
413172 | Zig:20   | Killed Zonian's ghost
413172 | Zig:20   | Noticed Sext's ghost (legendary MiFi)
413173 | Zig:20   | Noticed ragingrage's ghost (legendary OpFE)
413173 | Zig:20   | Killed Huju's ghost
413173 | Zig:20   | Killed Xaowkis's ghost
413173 | Zig:20   | Noticed strangelove's ghost (master GrEE)
413173 | Zig:20   | Noticed sleeves's ghost (legendary HuEE)
413173 | Zig:20   | Noticed Likado's ghost (legendary GnSk)
413173 | Zig:20   | Noticed Ikusitist's ghost (legendary NaFE)
413174 | Zig:20   | Killed Ycuhohed's ghost
413174 | Zig:20   | Killed corvin's ghost
413174 | Zig:20   | Noticed Wammos's ghost (legendary TeCj)
413174 | Zig:20   | Noticed Walil's ghost (veteran MiMo)
413174 | Zig:20   | Noticed Qupubruts's ghost (master HOFi)
413174 | Zig:20   | Noticed Ecsetopt's ghost (legendary BaWn)
413175 | Zig:20   | Noticed Zenecom's ghost (legendary MiFi)
413175 | Zig:20   | Noticed Ucrups's ghost (legendary MiFi)
413175 | Zig:20   | Noticed xzight's ghost (legendary MiBe)
413176 | Zig:20   | Killed Qeilemp's ghost
413176 | Zig:20   | Killed Pohawk's ghost
413176 | Zig:20   | Killed Godueg's ghost
413176 | Zig:20   | Noticed BoringLoser's ghost (veteran TeAE)
413176 | Zig:20   | Noticed Talannal's ghost (legendary GnHW)
413176 | Zig:20   | Noticed Boduf's ghost (legendary FoHu)
413176 | Zig:20   | Noticed BerryKnight's ghost (legendary DgFi)
413177 | Zig:20   | Noticed Boduf's ghost (legendary FoHu)
413177 | Zig:20   | Noticed Hewasun's ghost (legendary MiBe)
413177 | Zig:20   | Noticed Manman's ghost (legendary HOGl)
413177 | Zig:20   | Noticed Boduf's ghost (legendary FoHu)
413177 | Zig:20   | Noticed Haitsiopt's ghost (legendary DsGl)
413178 | Zig:20   | Killed Totuz's ghost
413178 | Zig:20   | Killed Sext's ghost
413178 | Zig:20   | Killed Walil's ghost
413178 | Zig:20   | Killed andrewp's ghost
413178 | Zig:20   | Killed sleeves's ghost
413178 | Zig:20   | Killed Wammos's ghost
413179 | Zig:20   | Noticed frimble's ghost (adept DsGl)
413181 | Zig:20   | Killed ragingrage's ghost
413182 | Zig:20   | Killed Likado's ghost
413182 | Zig:20   | Killed Ikusitist's ghost
413182 | Zig:20   | Killed Likado's ghost
413182 | Zig:20   | Killed strangelove's ghost
413182 | Zig:20   | Noticed grandjackal's ghost (legendary DsGl)
413182 | Zig:20   | Noticed Zachydoop's ghost (veteran MiMo)
413183 | Zig:20   | Noticed Piginabag's ghost (legendary DsSk)
413184 | Zig:20   | Killed Ecsetopt's ghost
413184 | Zig:20   | Killed Qupubruts's ghost
413184 | Zig:20   | Killed Talannal's ghost
413184 | Zig:20   | Killed Ucrups's ghost
413184 | Zig:20   | Killed xzight's ghost
413184 | Zig:20   | Killed Boduf's ghost
413184 | Zig:20   | Killed BoringLoser's ghost
413185 | Zig:20   | Killed Hewasun's ghost
413185 | Zig:20   | Killed Zenecom's ghost
413185 | Zig:20   | Noticed Veodywke's ghost (legendary MiBe)
413186 | Zig:20   | Killed BerryKnight's ghost
413186 | Zig:20   | Killed Boduf's ghost
413186 | Zig:20   | Noticed stevelinton's ghost (legendary KoBe)
413186 | Zig:20   | Noticed Xiwu's ghost (legendary MiFi)
413187 | Zig:20   | Killed Boduf's ghost
413187 | Zig:20   | Killed Manman's ghost
413187 | Zig:20   | Killed grandjackal's ghost
413188 | Zig:20   | Noticed Motirgh's ghost (legendary DgHW)
413188 | Zig:20   | Noticed Godueg's ghost (veteran HOFi)
413188 | Zig:20   | Noticed reasonance's ghost (legendary HOMo)
413188 | Zig:20   | Noticed Fouwomub's ghost (legendary FoEE)
413188 | Zig:20   | Noticed sleeves's ghost (legendary DsFi)
413188 | Zig:20   | Noticed Unuchuin's ghost (legendary GnFi)
413188 | Zig:20   | Noticed Zenecom's ghost (legendary MiFi)
413189 | Zig:20   | Killed WiseOSalty's ghost
413189 | Zig:20   | Killed Haitsiopt's ghost
413189 | Zig:20   | Killed frimble's ghost
413189 | Zig:20   | Noticed Fueng's ghost (legendary HOFi)
413189 | Zig:20   | Noticed andrewp's ghost (veteran MiBe)
413189 | Zig:20   | Noticed runemage's ghost (legendary GnFi)
413189 | Zig:20   | Noticed Boduf's ghost (legendary FoHu)
413191 | Zig:20   | Noticed Dameikh's ghost (veteran FoFi)
413191 | Zig:20   | Noticed Xorhowon's ghost (legendary MiBe)
413191 | Zig:20   | Noticed Fouwomub's ghost (legendary FoEE)
413192 | Zig:20   | Noticed Jeklifit's ghost (legendary FoFi)
413192 | Zig:20   | Killed Veodywke's ghost
413192 | Zig:20   | Killed Piginabag's ghost
413192 | Zig:20   | Noticed Kufiz's ghost (master GrCK)
413192 | Zig:20   | Noticed Piginabag's ghost (legendary DsSk)
413193 | Zig:20   | Noticed Ikusitist's ghost (legendary NaFE)
413193 | Zig:20   | Noticed BerryKnight's ghost (legendary DgFi)
413195 | Zig:20   | Killed stevelinton's ghost
413196 | Zig:20   | Noticed Viugiw's ghost (legendary TeBe)
413196 | Zig:20   | Noticed Xorhowon's ghost (legendary MiBe)
413196 | Zig:20   | Noticed melllvar's ghost (legendary MiBe)
413196 | Zig:20   | Noticed Talannal's ghost (legendary GnHW)
413196 | Zig:20   | Noticed melllvar's ghost (legendary MiBe)
413196 | Zig:20   | Noticed scarywalker64's ghost (veteran BaSu)
413196 | Zig:20   | Noticed agentgt's ghost (legendary MiCK)
413196 | Zig:20   | Noticed lmSkywalker's ghost (adept DrTm)
413197 | Zig:20   | Noticed TuffENuff's ghost (legendary FoFi)
413197 | Zig:20   | Noticed Alysiarr's ghost (legendary KoHu)
413197 | Zig:20   | Noticed Vuopse's ghost (legendary GnIE)
413197 | Zig:20   | Noticed Piginabag's ghost (legendary DsSk)
413198 | Zig:20   | Noticed Fusentrap's ghost (legendary MiBe)
413198 | Zig:20   | Killed Xorhowon's ghost
413198 | Zig:20   | Killed sleeves's ghost
413198 | Zig:20   | Killed lmSkywalker's ghost
413198 | Zig:20   | Killed Xorhowon's ghost
413198 | Zig:20   | Killed Dameikh's ghost
413198 | Zig:20   | Killed Fouwomub's ghost
413198 | Zig:20   | Killed runemage's ghost
413198 | Zig:20   | Noticed Godueg's ghost (veteran HOFi)
413198 | Zig:20   | Noticed stevelinton's ghost (legendary KoBe)
413200 | Zig:20   | Killed Ikusitist's ghost
413200 | Zig:20   | Killed Talannal's ghost
413200 | Zig:20   | Killed scarywalker64's ghost
413200 | Zig:20   | Killed Godueg's ghost
413200 | Zig:20   | Killed Fouwomub's ghost
413200 | Zig:20   | Killed Unuchuin's ghost
413200 | Zig:20   | Killed Fueng's ghost
413200 | Zig:20   | Killed Viugiw's ghost
413200 | Zig:20   | Noticed meatyocre's ghost (veteran TrFi)
413200 | Zig:20   | Noticed swap's ghost (legendary DEFE)
413200 | Zig:20   | Noticed Saphesar's ghost (veteran DsFi)
413200 | Zig:20   | Noticed Hewasun's ghost (legendary MiBe)
413200 | Zig:20   | Noticed Waohesse's ghost (legendary VSFi)
413201 | Zig:20   | Noticed Sext's ghost (legendary MiFi)
413201 | Zig:20   | Noticed Ycuhohed's ghost (veteran TeBe)
413201 | Zig:20   | Noticed Fouwomub's ghost (legendary FoEE)
413201 | Zig:20   | Noticed Kucykkydd's ghost (legendary MiFi)
413201 | Zig:20   | Noticed Ycuhohed's ghost (veteran TeBe)
413201 | Zig:20   | Noticed Xatwola's ghost (legendary DDFi)
413201 | Zig:20   | Noticed BerryKnight's ghost (legendary DgFi)
413201 | Zig:20   | Noticed Zachydoop's ghost (veteran MiGl)
413201 | Zig:20   | Noticed Jargh's ghost (legendary FoFi)
413201 | Zig:20   | Noticed BerryKnight's ghost (legendary DgFi)
413201 | Zig:20   | Noticed Boduf's ghost (legendary FoHu)
413201 | Zig:20   | Noticed Barug's ghost (adept TrMo)
413201 | Zig:20   | Killed andrewp's ghost
413202 | Zig:20   | Killed agentgt's ghost
413202 | Zig:20   | Killed reasonance's ghost
413202 | Zig:20   | Killed TuffENuff's ghost
413203 | Zig:20   | Killed melllvar's ghost
413203 | Zig:20   | Killed Boduf's ghost
413203 | Zig:20   | Noticed Likado's ghost (legendary GnSk)
413204 | Zig:20   | Killed stevelinton's ghost
413204 | Zig:20   | Killed Piginabag's ghost
413204 | Zig:20   | Killed BerryKnight's ghost
413204 | Zig:20   | Killed melllvar's ghost
413204 | Zig:20   | Noticed astronautguy's ghost (master DEFE)
413205 | Zig:20   | Killed Xiwu's ghost
413207 | Zig:20   | Killed Zenecom's ghost
413207 | Zig:20   | Killed Ycuhohed's ghost
413207 | Zig:20   | Killed Vuopse's ghost
413207 | Zig:20   | Killed Godueg's ghost
413207 | Zig:20   | Killed Kufiz's ghost
413207 | Zig:20   | Noticed Janeylunn's ghost (veteran GnWn)
413213 | Zig:20   | Noticed scarywalker64's ghost (legendary GrEE)
413213 | Zig:20   | Noticed sleeves's ghost (legendary HuEE)
413213 | Zig:20   | Noticed Qupubruts's ghost (master HOFi)
413214 | Zig:20   | Noticed frimble's ghost (adept DsGl)
413214 | Zig:20   | Noticed frimble's ghost (legendary DsFi)
413214 | Zig:20   | Noticed Xatwola's ghost (legendary DDFi)
413214 | Zig:20   | Noticed Hacvoq's ghost (legendary HOFi)
413214 | Zig:20   | Noticed runemage's ghost (legendary GnFi)
413214 | Zig:20   | Noticed Xorhowon's ghost (legendary MiBe)
413214 | Zig:20   | Noticed thechecker02's ghost (legendary DDFi)
413214 | Zig:20   | Noticed thechecker02's ghost (legendary DDFi)
413214 | Zig:20   | Noticed EricTams's ghost (veteran MiBe)
413215 | Zig:20   | Noticed melllvar's ghost (legendary MiBe)
413215 | Zig:20   | Noticed Alysiarr's ghost (legendary KoHu)
413215 | Zig:20   | Noticed Likado's ghost (legendary GnSk)
413215 | Zig:20   | Noticed Ikusitist's ghost (legendary NaFE)
413215 | Zig:20   | Noticed GlasyaLabolas's ghost (legendary MiFi)
413216 | Zig:20   | Noticed MrChinwatt's ghost (legendary DsWn)
413216 | Zig:20   | Killed Motirgh's ghost
413216 | Zig:20   | Killed Alysiarr's ghost
413216 | Zig:20   | Noticed Xocw's ghost (legendary GrMo)
413217 | Zig:20   | Noticed thechecker02's ghost (master DDFi)
413217 | Zig:20   | Noticed frimble's ghost (legendary DsFi)
413217 | Zig:20   | Noticed meatyocre's ghost (veteran TrFi)
413218 | Zig:20   | Noticed Haitsiopt's ghost (legendary DsGl)
413218 | Zig:20   | Noticed Talannal's ghost (legendary GnHW)
413219 | Zig:20   | Killed thechecker02's ghost
413219 | Zig:20   | Killed swap's ghost
413219 | Zig:20   | Killed thechecker02's ghost
413219 | Zig:20   | Killed Piginabag's ghost
413219 | Zig:20   | Noticed Vuopse's ghost (legendary GnIE)
413219 | Zig:20   | Noticed agentgt's ghost (legendary MiCK)
413220 | Zig:20   | Killed BerryKnight's ghost
413220 | Zig:20   | Killed sleeves's ghost
413220 | Zig:20   | Killed Alysiarr's ghost
413220 | Zig:20   | Killed Fusentrap's ghost
413220 | Zig:20   | Killed Janeylunn's ghost
413220 | Zig:20   | Killed frimble's ghost
413220 | Zig:20   | Killed Jeklifit's ghost
413220 | Zig:20   | Killed astronautguy's ghost
413220 | Zig:20   | Noticed Rirumasy's ghost (legendary OpWn)
413220 | Zig:20   | Noticed Saphesar's ghost (veteran DsFi)
413221 | Zig:20   | Noticed sleeves's ghost (legendary DsFi)
413221 | Zig:20   | Killed Xorhowon's ghost
413221 | Zig:20   | Killed Barug's ghost
413221 | Zig:20   | Noticed Gucom's ghost (veteran GnFi)
413222 | Zig:20   | Killed Likado's ghost
413223 | Zig:20   | Killed Qupubruts's ghost
413223 | Zig:20   | Noticed Zachydoop's ghost (veteran MiMo)
413225 | Zig:20   | Killed Fouwomub's ghost
413225 | Zig:20   | Killed Ikusitist's ghost
413225 | Zig:20   | Killed runemage's ghost
413225 | Zig:20   | Killed BerryKnight's ghost
413225 | Zig:20   | Killed thechecker02's ghost
413225 | Zig:20   | Killed Saphesar's ghost
413225 | Zig:20   | Killed scarywalker64's ghost
413226 | Zig:20   | Killed Xocw's ghost
413226 | Zig:20   | Killed Xatwola's ghost
413226 | Zig:20   | Killed Xatwola's ghost
413226 | Zig:20   | Killed Rirumasy's ghost
413226 | Zig:20   | Noticed Denobboc's ghost (legendary OpMo)
413227 | Zig:20   | Killed meatyocre's ghost
413227 | Zig:20   | Killed Haitsiopt's ghost
413227 | Zig:20   | Killed Hewasun's ghost
413228 | Zig:20   | Killed Gucom's ghost
413228 | Zig:20   | Killed Waohesse's ghost
413228 | Zig:20   | Killed Hacvoq's ghost
413228 | Zig:20   | Killed melllvar's ghost
413228 | Zig:20   | Killed meatyocre's ghost
413229 | Zig:20   | Noticed Gucom's ghost (veteran GnFi)
413229 | Zig:20   | Noticed Hewasun's ghost (legendary MiBe)
413229 | Zig:20   | Noticed Qupubruts's ghost (master HOFi)
413230 | Zig:20   | Killed frimble's ghost
413230 | Zig:20   | Killed frimble's ghost
413230 | Zig:20   | Killed Talannal's ghost
413230 | Zig:20   | Noticed BoringLoser's ghost (veteran TeAE)
413230 | Zig:20   | Noticed WiseOSalty's ghost (legendary TrGl)
413231 | Zig:20   | Killed MrChinwatt's ghost
413231 | Zig:20   | Killed Zachydoop's ghost
413231 | Zig:20   | Killed Zachydoop's ghost
413233 | Zig:20   | Noticed Evehuixoju's ghost (legendary VSFi)
413233 | Zig:20   | Noticed Kalug's ghost (legendary DrFi)
413233 | Zig:20   | Noticed Xocw's ghost (legendary GrMo)
413233 | Zig:20   | Noticed Hillam's ghost (legendary DsTm)
413233 | Zig:20   | Noticed Zachydoop's ghost (veteran MiGl)
413233 | Zig:20   | Noticed Veodywke's ghost (legendary MiBe)
413234 | Zig:20   | Noticed Janeylunn's ghost (veteran GnWn)
413234 | Zig:20   | Noticed melllvar's ghost (legendary MiBe)
413234 | Zig:20   | Killed Kucykkydd's ghost
413234 | Zig:20   | Noticed ragingrage's ghost (legendary OpFE)
413235 | Zig:20   | Noticed stevelinton's ghost (legendary KoBe)
413235 | Zig:20   | Noticed Alysiarr's ghost (legendary KoHu)
413236 | Zig:20   | Noticed thechecker02's ghost (master DDFi)
413238 | Zig:20   | Killed Denobboc's ghost
413239 | Zig:20   | Noticed Piginabag's ghost (veteran GnMo)
413240 | Zig:20   | Killed Boduf's ghost
413241 | Zig:20   | Killed BoringLoser's ghost
413246 | Zig:20   | Killed Ycuhohed's ghost
413246 | Zig:20   | Killed Likado's ghost
413246 | Zig:20   | Killed Hillam's ghost
413246 | Zig:20   | Killed agentgt's ghost
413246 | Zig:20   | Killed sleeves's ghost
413246 | Zig:20   | Killed GlasyaLabolas's ghost
413247 | Zig:20   | Noticed Ebassic's ghost (veteran GrFi)
413247 | Zig:20   | Noticed Rocah's ghost (veteran GrFi)
413248 | Zig:20   | Killed melllvar's ghost
413248 | Zig:20   | Killed Janeylunn's ghost
413248 | Zig:20   | Killed stevelinton's ghost
413248 | Zig:20   | Killed WiseOSalty's ghost
413249 | Zig:20   | Killed Vuopse's ghost
413251 | Zig:20   | Killed Alysiarr's ghost
413251 | Zig:20   | Killed Sext's ghost
413251 | Zig:20   | Killed ragingrage's ghost
413251 | Zig:20   | Killed Gucom's ghost
413251 | Zig:20   | Killed Evehuixoju's ghost
413251 | Zig:20   | Killed Hewasun's ghost
413251 | Zig:20   | Noticed Jargh's ghost (legendary FoFi)
413252 | Zig:20   | Killed Veodywke's ghost
413252 | Zig:20   | Noticed Gucom's ghost (veteran GnFi)
413252 | Zig:20   | Noticed Zachydoop's ghost (veteran MiMo)
413252 | Zig:20   | Noticed WiseOSalty's ghost (legendary TrGl)
413254 | Zig:20   | Killed thechecker02's ghost
413254 | Zig:20   | Noticed melllvar's ghost (legendary MiBe)
413263 | Zig:20   | Noticed tigertrap's ghost (legendary DgHW)
413264 | Zig:20   | Killed Rocah's ghost
413265 | Zig:20   | Noticed Ubraesch's ghost (adept TrMo)
413266 | Zig:20   | Noticed frimble's ghost (adept DsGl)
413268 | Zig:20   | Noticed Dittersdorf's ghost (legendary MiBe)
413269 | Zig:20   | Killed Piginabag's ghost
413269 | Zig:20   | Killed Xocw's ghost
413269 | Zig:20   | Killed Jargh's ghost
413269 | Zig:20   | Killed Ebassic's ghost
413269 | Zig:20   | Killed Kalug's ghost
413270 | Zig:20   | Killed Qupubruts's ghost
413270 | Zig:20   | Noticed Talannal's ghost (legendary GnHW)
413271 | Zig:20   | Killed Saphesar's ghost
413271 | Zig:20   | Killed EricTams's ghost
413272 | Zig:20   | Killed frimble's ghost
413272 | Zig:20   | Killed Zachydoop's ghost
413272 | Zig:20   | Killed Ubraesch's ghost
413272 | Zig:20   | Killed Gucom's ghost
413272 | Zig:20   | Killed tigertrap's ghost
413274 | Zig:20   | Noticed Zachydoop's ghost (veteran MiMo)
413275 | Zig:20   | Noticed BoringLoser's ghost (veteran TeAE)
413276 | Zig:20   | Killed WiseOSalty's ghost
413276 | Zig:20   | Noticed Nenig's ghost (legendary GnFi)
413276 | Zig:20   | Noticed frimble's ghost (adept DsGl)
413277 | Zig:20   | Noticed Kufiz's ghost (master GrCK)
413277 | Zig:20   | Noticed Diezoyro's ghost (legendary DDNe)
413278 | Zig:20   | Killed Talannal's ghost
413279 | Zig:20   | Noticed Viocziel's ghost (adept TrMo)
413280 | Zig:20   | Killed melllvar's ghost
413280 | Zig:20   | Killed BoringLoser's ghost
413281 | Zig:20   | Killed Jargh's ghost
413281 | Zig:20   | Killed frimble's ghost
413282 | Zig:20   | Killed Kufiz's ghost
413282 | Zig:20   | Noticed Pikuto's ghost (adept MiBe)
413284 | Zig:20   | Killed Nenig's ghost
413285 | Zig:20   | Killed Zachydoop's ghost
413285 | Zig:20   | Killed Viocziel's ghost
413287 | Zig:20   | Killed Zachydoop's ghost
413289 | Zig:20   | Killed Diezoyro's ghost
413291 | Zig:20   | Killed Pikuto's ghost
413915 | Zig:20   | Identified the +2 trident "Upuf" {freeze, rF+ Will+}
413916 | Zig:20   | Identified the ring "Xiytt" {rC+ rN+ Will- Stlth+}
413925 | Zig:20   | Identified the +0 fire dragon scales of a bazaar {Rampage
                  | rElec rF++ rC- Will+ Slay+5}
413927 | Zig:20   | Identified the ring of the Rose {rN+ rCorr Slay+2}
413934 | Zig:20   | Identified the staff of fire "Veter" {rF+ Str+3 Int+4 SInv}
413946 | Zig:20   | Identified the staff of cold "Quesyik" {Drain rElec rPois
                  | rC+}
413948 | Zig:20   | Identified the staff of fire "Upifid" {rF+ Int+5 Dex-2}
413949 | Zig:20   | Identified the +1 glaive "Coagovva" {speed, rElec}
413954 | Zig:20   | Identified the amulet of Ixerph {Spirit rPois rF- rN+
                  | Str+4}
413956 | Zig:20   | Identified the staff of cold "Romofuev" {*Slow +Blink rElec
                  | rC+ Int+2}
413957 | Zig:20   | Identified the +10 dagger of Evolution {spect, +Blink Will+
                  | Int-2 Dex+2}
413963 | Zig:20   | Identified the +4 battleaxe "Hugot" {elec, Str+2 Dex+3}
413964 | Zig:20   | Identified the +6 flail "Patemer" {drain, Fragile Fly rPois
                  | Dex+2 Stlth+}
413969 | Zig:20   | Identified the +4 ring mail of Diseam {Contam Str+3 Int+4}
413972 | Zig:20   | Identified the quicksilver dragon scales "Gicvueh" {+Blink
                  | rC+ rN+ Will+}
414018 | Zig:21   | Entered Level 21 of a ziggurat
414354 | Zig:21   | Identified the +3 rapier of the Hungering Genius {freeze,
                  | rElec rPois}
414357 | Zig:21   | Identified the +2 plate armour of Inquiry {*Corrode rF++
                  | Will+ Dex+2 SInv}
414361 | Zig:21   | Identified the +7 short sword of Pogracof {heavy, rF+++
                  | Will- Str-4}
414362 | Zig:21   | Identified the +2 pair of gloves of Tenacity {*Slow rN+
                  | Str+3}
414363 | Zig:21   | Identified the staff of earth "Qakkiah" {Will- Str+5 SInv}
414364 | Zig:21   | Identified the staff of fire "Nithrac" {rPois rF+}
414365 | Zig:21   | Identified the staff of fire "Hetziej" {rF+ Str+6 Dex+4}
415076 | Zig:22   | Entered Level 22 of a ziggurat
415076 | Zig:22   | Noticed frimble's ghost (legendary GrFi)
415076 | Zig:22   | Noticed Zenecom's ghost (legendary MiFi)
415076 | Zig:22   | Noticed Motirgh's ghost (legendary DgHW)
415076 | Zig:22   | Noticed Fusentrap's ghost (legendary MiBe)
415076 | Zig:22   | Noticed Piginabag's ghost (legendary DsSk)
415076 | Zig:22   | Noticed Totuz's ghost (legendary HOFi)
415076 | Zig:22   | Noticed Totuz's ghost (legendary HOFi)
415076 | Zig:22   | Noticed Marixus's ghost (legendary DDFi)
415076 | Zig:22   | Noticed Diezoyro's ghost (legendary DDNe)
415076 | Zig:22   | Noticed Qeilemp's ghost (legendary HOFi)
415076 | Zig:22   | Noticed Teaz Xo Upt's ghost (legendary GnFE)
415077 | Zig:22   | Noticed Ycuhohed's ghost (veteran TeBe)
415077 | Zig:22   | Noticed Kucykkydd's ghost (legendary MiFi)
415077 | Zig:22   | Noticed Zonian's ghost (legendary HOFi)
415077 | Zig:22   | Noticed Veodywke's ghost (legendary MiBe)
415077 | Zig:22   | Noticed Amikeex's ghost (adept TrMo)
415077 | Zig:22   | Noticed Amikeex's ghost (adept TrMo)
415077 | Zig:22   | Noticed tigertrap's ghost (legendary DgHW)
415078 | Zig:22   | Killed Ycuhohed's ghost
415078 | Zig:22   | Noticed Walil's ghost (veteran MiMo)
415078 | Zig:22   | Noticed swap's ghost (legendary DEFE)
415078 | Zig:22   | Noticed Piginabag's ghost (legendary DsSk)
415078 | Zig:22   | Noticed SevenDeadlySins's ghost (legendary DrCj)
415079 | Zig:22   | Noticed corvin's ghost (legendary OgWn)
415079 | Zig:22   | Noticed Ekeiwkem's ghost (legendary DsFi)
415079 | Zig:22   | Noticed Viocziel's ghost (adept TrMo)
415079 | Zig:22   | Noticed Fusentrap's ghost (legendary MiBe)
415081 | Zig:22   | Killed Totuz's ghost
415081 | Zig:22   | Killed Teaz Xo Upt's ghost
415081 | Zig:22   | Killed frimble's ghost
415081 | Zig:22   | Killed Motirgh's ghost
415081 | Zig:22   | Killed Walil's ghost
415081 | Zig:22   | Killed Amikeex's ghost
415081 | Zig:22   | Noticed Qatinlae's ghost (veteran DEFE)
415081 | Zig:22   | Noticed astronautguy's ghost (legendary FoEE)
415081 | Zig:22   | Noticed Viocziel's ghost (adept TrMo)
415081 | Zig:22   | Noticed Pohawk's ghost (adept MiGl)
415081 | Zig:22   | Noticed Jargh's ghost (legendary FoFi)
415081 | Zig:22   | Noticed SevenDeadlySins's ghost (legendary DrCj)
415082 | Zig:22   | Killed Qeilemp's ghost
415082 | Zig:22   | Killed SevenDeadlySins's ghost
415082 | Zig:22   | Killed Viocziel's ghost
415082 | Zig:22   | Killed Qatinlae's ghost
415082 | Zig:22   | Killed Amikeex's ghost
415082 | Zig:22   | Noticed Zachydoop's ghost (veteran MiMo)
415082 | Zig:22   | Noticed Pusocauss's ghost (legendary VSBe)
415082 | Zig:22   | Noticed Xaowkis's ghost (legendary GnWr)
415082 | Zig:22   | Noticed Zeph's ghost (adept NaFi)
415082 | Zig:22   | Noticed swap's ghost (legendary DEFE)
415083 | Zig:22   | Noticed runemage's ghost (legendary GnFi)
415083 | Zig:22   | Killed Kucykkydd's ghost
415083 | Zig:22   | Killed swap's ghost
415083 | Zig:22   | Killed Zenecom's ghost
415083 | Zig:22   | Killed Totuz's ghost
415083 | Zig:22   | Killed corvin's ghost
415084 | Zig:22   | Killed Piginabag's ghost
415084 | Zig:22   | Killed Marixus's ghost
415084 | Zig:22   | Noticed Veodywke's ghost (legendary MiBe)
415084 | Zig:22   | Noticed Pikuto's ghost (adept MiBe)
415084 | Zig:22   | Noticed frimble's ghost (adept DsGl)
415085 | Zig:22   | Noticed Piginabag's ghost (veteran GnMo)
415085 | Zig:22   | Killed Fusentrap's ghost
415085 | Zig:22   | Killed Viocziel's ghost
415085 | Zig:22   | Killed Diezoyro's ghost
415085 | Zig:22   | Killed tigertrap's ghost
415085 | Zig:22   | Killed Zonian's ghost
415085 | Zig:22   | Noticed thechecker02's ghost (legendary DDFi)
415085 | Zig:22   | Noticed Walil's ghost (veteran MiMo)
415085 | Zig:22   | Noticed Zachydoop's ghost (veteran MiGl)
415085 | Zig:22   | Noticed Viocziel's ghost (adept TrMo)
415085 | Zig:22   | Noticed frimble's ghost (adept DsGl)
415086 | Zig:22   | Noticed Piginabag's ghost (veteran GnMo)
415086 | Zig:22   | Killed SevenDeadlySins's ghost
415086 | Zig:22   | Killed Piginabag's ghost
415086 | Zig:22   | Killed astronautguy's ghost
415086 | Zig:22   | Killed Pusocauss's ghost
415086 | Zig:22   | Killed Jargh's ghost
415087 | Zig:22   | Noticed Hewasun's ghost (legendary MiBe)
415087 | Zig:22   | Noticed Shayle's ghost (legendary GnHW)
415087 | Zig:22   | Noticed lmSkywalker's ghost (adept DrTm)
415087 | Zig:22   | Noticed ragingrage's ghost (legendary OpFE)
415087 | Zig:22   | Noticed Sext's ghost (legendary MiFi)
415087 | Zig:22   | Noticed Xatwola's ghost (legendary DDFi)
415087 | Zig:22   | Killed Veodywke's ghost
415087 | Zig:22   | Noticed MrChinwatt's ghost (legendary DsWn)
415087 | Zig:22   | Noticed scarywalker64's ghost (legendary GrEE)
415087 | Zig:22   | Noticed Vuopse's ghost (legendary GnIE)
415087 | Zig:22   | Noticed Janeylunn's ghost (veteran GnWn)
415088 | Zig:22   | Noticed Barug's ghost (adept TrMo)
415088 | Zig:22   | Noticed meatyocre's ghost (veteran TrFi)
415088 | Zig:22   | Noticed Pusocauss's ghost (legendary VSBe)
415088 | Zig:22   | Noticed sleeves's ghost (legendary HuSk)
415088 | Zig:22   | Killed Piginabag's ghost
415088 | Zig:22   | Noticed yaoilover's ghost (veteran MiBe)
415088 | Zig:22   | Noticed sleeves's ghost (legendary DsFi)
415088 | Zig:22   | Noticed Jargh's ghost (legendary FoFi)
415088 | Zig:22   | Noticed SevenDeadlySins's ghost (legendary DrCj)
415089 | Zig:22   | Killed Zeph's ghost
415089 | Zig:22   | Killed runemage's ghost
415089 | Zig:22   | Killed Xaowkis's ghost
415089 | Zig:22   | Killed Pikuto's ghost
415089 | Zig:22   | Killed Ekeiwkem's ghost
415089 | Zig:22   | Killed swap's ghost
415089 | Zig:22   | Killed Zachydoop's ghost
415089 | Zig:22   | Noticed Xorhowon's ghost (legendary MiBe)
415089 | Zig:22   | Noticed swap's ghost (legendary DEFE)
415089 | Zig:22   | Noticed Manman's ghost (legendary HOGl)
415089 | Zig:22   | Noticed reasonance's ghost (legendary HOMo)
415090 | Zig:22   | Noticed Zeph's ghost (adept NaFi)
415090 | Zig:22   | Noticed Viugiw's ghost (legendary TeBe)
415090 | Zig:22   | Killed Zachydoop's ghost
415090 | Zig:22   | Killed frimble's ghost
415090 | Zig:22   | Killed Walil's ghost
415090 | Zig:22   | Killed Piginabag's ghost
415090 | Zig:22   | Killed Janeylunn's ghost
415091 | Zig:22   | Killed ragingrage's ghost
415091 | Zig:22   | Killed Jargh's ghost
415091 | Zig:22   | Killed yaoilover's ghost
415091 | Zig:22   | Killed scarywalker64's ghost
415091 | Zig:22   | Killed Fusentrap's ghost
415091 | Zig:22   | Killed sleeves's ghost
415091 | Zig:22   | Killed Shayle's ghost
415091 | Zig:22   | Killed meatyocre's ghost
415091 | Zig:22   | Killed Zeph's ghost
415091 | Zig:22   | Killed frimble's ghost
415091 | Zig:22   | Noticed Gucom's ghost (veteran GnFi)
415091 | Zig:22   | Noticed melllvar's ghost (legendary MiBe)
415091 | Zig:22   | Noticed TuffENuff's ghost (legendary FoFi)
415091 | Zig:22   | Noticed Himmaryad's ghost (adept TrMo)
415091 | Zig:22   | Noticed ragingrage's ghost (legendary OpFE)
415092 | Zig:22   | Killed Pusocauss's ghost
415092 | Zig:22   | Noticed Piginabag's ghost (veteran GnMo)
415092 | Zig:22   | Noticed Ycuhohed's ghost (veteran TeBe)
415092 | Zig:22   | Noticed WiseOSalty's ghost (legendary TrGl)
415092 | Zig:22   | Noticed heteroy's ghost (legendary DsHu)
415092 | Zig:22   | Noticed Viugiw's ghost (legendary TeBe)
415093 | Zig:22   | Killed Xatwola's ghost
415093 | Zig:22   | Killed sleeves's ghost
415093 | Zig:22   | Killed thechecker02's ghost
415093 | Zig:22   | Killed Viocziel's ghost
415094 | Zig:22   | Killed MrChinwatt's ghost
415094 | Zig:22   | Killed Xorhowon's ghost
415094 | Zig:22   | Killed Barug's ghost
415094 | Zig:22   | Killed Viugiw's ghost
415094 | Zig:22   | Killed Hewasun's ghost
415094 | Zig:22   | Killed Vuopse's ghost
415094 | Zig:22   | Killed SevenDeadlySins's ghost
415094 | Zig:22   | Noticed BoringLoser's ghost (veteran TeAE)
415094 | Zig:22   | Noticed Ubraesch's ghost (adept TrMo)
415094 | Zig:22   | Noticed Ycuhohed's ghost (veteran TeBe)
415094 | Zig:22   | Noticed xzight's ghost (legendary MiBe)
415094 | Zig:22   | Noticed deprived's ghost (legendary HOFi)
415095 | Zig:22   | Killed Himmaryad's ghost
415095 | Zig:22   | Noticed Motirgh's ghost (legendary DgHW)
415095 | Zig:22   | Noticed Xiwu's ghost (legendary MiFi)
415095 | Zig:22   | Noticed Ekeiwkem's ghost (legendary DsFi)
415095 | Zig:22   | Noticed Shayle's ghost (legendary GnHW)
415096 | Zig:22   | Noticed Manman's ghost (legendary HOGl)
415099 | Zig:22   | Killed Veodywke's ghost
415101 | Zig:22   | Killed Piginabag's ghost
415101 | Zig:22   | Killed swap's ghost
415101 | Zig:22   | Noticed grandjackal's ghost (legendary DsGl)
415102 | Zig:22   | Killed TuffENuff's ghost
415102 | Zig:22   | Killed WiseOSalty's ghost
415102 | Zig:22   | Killed Ycuhohed's ghost
415102 | Zig:22   | Killed Ycuhohed's ghost
415102 | Zig:22   | Noticed Kucykkydd's ghost (legendary MiFi)
415103 | Zig:22   | Killed Manman's ghost
415104 | Zig:22   | Noticed sleeves's ghost (legendary DsFi)
415104 | Zig:22   | Noticed Unuchuin's ghost (legendary GnFi)
415110 | Zig:22   | Noticed Ecsetopt's ghost (legendary BaWn)
415110 | Zig:22   | Noticed Waohesse's ghost (legendary VSFi)
415110 | Zig:22   | Noticed WiseOSalty's ghost (legendary TrGl)
415111 | Zig:22   | Killed melllvar's ghost
415111 | Zig:22   | Killed deprived's ghost
415111 | Zig:22   | Killed grandjackal's ghost
415111 | Zig:22   | Killed xzight's ghost
415111 | Zig:22   | Noticed Likado's ghost (legendary GnSk)
415111 | Zig:22   | Noticed Nenig's ghost (legendary GnFi)
415111 | Zig:22   | Noticed Piginabag's ghost (veteran GnMo)
415112 | Zig:22   | Noticed Manman's ghost (legendary HOGl)
415112 | Zig:22   | Killed sleeves's ghost
415112 | Zig:22   | Killed ragingrage's ghost
415113 | Zig:22   | Killed lmSkywalker's ghost
415113 | Zig:22   | Noticed andrewp's ghost (veteran MiBe)
415114 | Zig:22   | Killed Viugiw's ghost
415114 | Zig:22   | Killed Pohawk's ghost
415114 | Zig:22   | Killed reasonance's ghost
415114 | Zig:22   | Noticed lmSkywalker's ghost (adept DrTm)
415114 | Zig:22   | Noticed Haitsiopt's ghost (legendary DsGl)
415116 | Zig:22   | Noticed andrewp's ghost (veteran MiBe)
415116 | Zig:22   | Noticed Zonian's ghost (legendary HOFi)
415116 | Zig:22   | Noticed SevenDeadlySins's ghost (legendary DrCj)
415117 | Zig:22   | Noticed thechecker02's ghost (legendary DDFi)
415117 | Zig:22   | Noticed Haitsiopt's ghost (legendary DsGl)
415117 | Zig:22   | Noticed Fugi's ghost (legendary FoFi)
415118 | Zig:22   | Killed BoringLoser's ghost
415119 | Zig:22   | Killed Nenig's ghost
415119 | Zig:22   | Killed Waohesse's ghost
415119 | Zig:22   | Killed WiseOSalty's ghost
415119 | Zig:22   | Killed Xiwu's ghost
415119 | Zig:22   | Killed Manman's ghost
415119 | Zig:22   | Killed andrewp's ghost
415119 | Zig:22   | Killed Sext's ghost
415119 | Zig:22   | Killed Ecsetopt's ghost
415119 | Zig:22   | Killed Motirgh's ghost
415119 | Zig:22   | Noticed corvin's ghost (legendary OgWn)
415120 | Zig:22   | Noticed Ucrups's ghost (legendary MiFi)
415120 | Zig:22   | Killed Kucykkydd's ghost
415120 | Zig:22   | Killed lmSkywalker's ghost
415120 | Zig:22   | Killed thechecker02's ghost
415120 | Zig:22   | Killed heteroy's ghost
415120 | Zig:22   | Noticed deprived's ghost (legendary HOFi)
415120 | Zig:22   | Noticed Qatinlae's ghost (veteran DEFE)
415120 | Zig:22   | Noticed frimble's ghost (adept DsGl)
415120 | Zig:22   | Noticed Ikusitist's ghost (legendary NaFE)
415120 | Zig:22   | Noticed Ycuhohed's ghost (veteran TeBe)
415120 | Zig:22   | Noticed GlasyaLabolas's ghost (legendary MiFi)
415120 | Zig:22   | Noticed reasonance's ghost (legendary HOMo)
415121 | Zig:22   | Noticed Fenir's ghost (legendary GnAE)
415121 | Zig:22   | Noticed Piginabag's ghost (veteran GnMo)
415121 | Zig:22   | Noticed heteroy's ghost (legendary DsHu)
415121 | Zig:22   | Noticed GlasyaLabolas's ghost (legendary MiFi)
415121 | Zig:22   | Noticed Qupubruts's ghost (master HOFi)
415121 | Zig:22   | Noticed EricTams's ghost (veteran MiBe)
415121 | Zig:22   | Noticed ragingrage's ghost (legendary OpFE)
415122 | Zig:22   | Noticed stevelinton's ghost (legendary KoBe)
415122 | Zig:22   | Killed Ekeiwkem's ghost
415122 | Zig:22   | Killed Gucom's ghost
415122 | Zig:22   | Killed Piginabag's ghost
415122 | Zig:22   | Killed Fugi's ghost
415123 | Zig:22   | Killed Haitsiopt's ghost
415123 | Zig:22   | Killed Shayle's ghost
415123 | Zig:22   | Killed SevenDeadlySins's ghost
415123 | Zig:22   | Killed Zonian's ghost
415123 | Zig:22   | Killed heteroy's ghost
415123 | Zig:22   | Killed reasonance's ghost
415123 | Zig:22   | Killed Unuchuin's ghost
415123 | Zig:22   | Killed corvin's ghost
415123 | Zig:22   | Killed Manman's ghost
415123 | Zig:22   | Noticed Ubraesch's ghost (adept TrMo)
415123 | Zig:22   | Noticed corvin's ghost (legendary OgWn)
415126 | Zig:22   | Killed deprived's ghost
415126 | Zig:22   | Killed Haitsiopt's ghost
415126 | Zig:22   | Killed ragingrage's ghost
415126 | Zig:22   | Killed Ycuhohed's ghost
415127 | Zig:22   | Noticed Manman's ghost (legendary HOGl)
415127 | Zig:22   | Noticed Xiwu's ghost (legendary MiFi)
415127 | Zig:22   | Noticed Boduf's ghost (legendary FoHu)
415127 | Zig:22   | Noticed Ucrups's ghost (legendary MiFi)
415127 | Zig:22   | Noticed Rocah's ghost (veteran GrFi)
415127 | Zig:22   | Noticed Xiwu's ghost (legendary MiFi)
415127 | Zig:22   | Noticed Kalug's ghost (legendary DrFi)
415127 | Zig:22   | Noticed Giojuova's ghost (legendary GnBe)
415127 | Zig:22   | Noticed Himmaryad's ghost (adept TrMo)
415127 | Zig:22   | Noticed agentgt's ghost (legendary MiCK)
415128 | Zig:22   | Noticed Motirgh's ghost (legendary DgHW)
415128 | Zig:22   | Noticed Alysiarr's ghost (legendary KoHu)
415128 | Zig:22   | Noticed Xaowkis's ghost (legendary GnWr)
415128 | Zig:22   | Noticed SevenDeadlySins's ghost (legendary DrCj)
415128 | Zig:22   | Noticed Piginabag's ghost (legendary DsSk)
415128 | Zig:22   | Noticed GlasyaLabolas's ghost (legendary MiFi)
415128 | Zig:22   | Noticed lmSkywalker's ghost (adept DrTm)
415128 | Zig:22   | Noticed Anafel's ghost (legendary GrFi)
415128 | Zig:22   | Noticed frimble's ghost (legendary DsFi)
415131 | Zig:22   | Noticed Boduf's ghost (legendary FoHu)
415131 | Zig:22   | Noticed Amikeex's ghost (adept TrMo)
415131 | Zig:22   | Noticed Zachydoop's ghost (veteran MiMo)
415131 | Zig:22   | Noticed WiseOSalty's ghost (legendary TrGl)
415132 | Zig:22   | Noticed Ycuhohed's ghost (veteran TeBe)
415132 | Zig:22   | Killed corvin's ghost
415132 | Zig:22   | Killed Qatinlae's ghost
415132 | Zig:22   | Killed GlasyaLabolas's ghost
415132 | Zig:22   | Noticed yaoilover's ghost (veteran MiBe)
415132 | Zig:22   | Noticed Gemnonof's ghost (adept DgCj)
415132 | Zig:22   | Noticed thechecker02's ghost (legendary DDFi)
415132 | Zig:22   | Noticed GlasyaLabolas's ghost (legendary MiFi)
415133 | Zig:22   | Noticed meatyocre's ghost (veteran TrFi)
415134 | Zig:22   | Noticed Fenir's ghost (legendary GnAE)
415134 | Zig:22   | Noticed Ikusitist's ghost (legendary NaFE)
415134 | Zig:22   | Noticed WiseOSalty's ghost (legendary TrGl)
415134 | Zig:22   | Noticed thechecker02's ghost (legendary DDFi)
415134 | Zig:22   | Noticed BerryKnight's ghost (legendary DgFi)
415134 | Zig:22   | Noticed Piginabag's ghost (veteran GnMo)
415134 | Zig:22   | Noticed Zachydoop's ghost (veteran MiGl)
415134 | Zig:22   | Noticed GlasyaLabolas's ghost (legendary MiFi)
415134 | Zig:22   | Noticed Ikusitist's ghost (legendary NaFE)
415134 | Zig:22   | Noticed Zoplarin's ghost (legendary BaSk)
415134 | Zig:22   | Noticed Boduf's ghost (legendary FoHu)
415134 | Zig:22   | Noticed blexxed's ghost (legendary DsFi)
415135 | Zig:22   | Killed GlasyaLabolas's ghost
415135 | Zig:22   | Killed Ubraesch's ghost
415135 | Zig:22   | Killed Alysiarr's ghost
415135 | Zig:22   | Killed Rocah's ghost
415135 | Zig:22   | Killed Piginabag's ghost
415135 | Zig:22   | Killed stevelinton's ghost
415135 | Zig:22   | Killed Xiwu's ghost
415135 | Zig:22   | Noticed Xuqyot's ghost (legendary DsFi)
415135 | Zig:22   | Noticed Piginabag's ghost (veteran GnMo)
415135 | Zig:22   | Noticed Shayle's ghost (legendary GnHW)
415135 | Zig:22   | Noticed Polaczum's ghost (adept TrMo)
415136 | Zig:22   | Killed Xiwu's ghost
415136 | Zig:22   | Killed Ikusitist's ghost
415136 | Zig:22   | Killed WiseOSalty's ghost
415136 | Zig:22   | Killed andrewp's ghost
415136 | Zig:22   | Killed Fenir's ghost
415136 | Zig:22   | Killed Amikeex's ghost
415136 | Zig:22   | Killed Anafel's ghost
415136 | Zig:22   | Killed Likado's ghost
415136 | Zig:22   | Killed Ucrups's ghost
415136 | Zig:22   | Noticed Qatinlae's ghost (veteran DEFE)
415136 | Zig:22   | Noticed Kalug's ghost (legendary DrFi)
415136 | Zig:22   | Noticed MrChinwatt's ghost (legendary DsWn)
415137 | Zig:22   | Noticed Ikusitist's ghost (legendary NaFE)
415137 | Zig:22   | Killed Boduf's ghost
415137 | Zig:22   | Killed GlasyaLabolas's ghost
415137 | Zig:22   | Killed Ucrups's ghost
415137 | Zig:22   | Killed Giojuova's ghost
415137 | Zig:22   | Killed Gemnonof's ghost
415137 | Zig:22   | Noticed Evehuixoju's ghost (legendary VSFi)
415138 | Zig:22   | Killed agentgt's ghost
415138 | Zig:22   | Killed Piginabag's ghost
415138 | Zig:22   | Killed GlasyaLabolas's ghost
415138 | Zig:22   | Killed thechecker02's ghost
415138 | Zig:22   | Killed Motirgh's ghost
415138 | Zig:22   | Killed frimble's ghost
415138 | Zig:22   | Killed Xaowkis's ghost
415138 | Zig:22   | Killed Ycuhohed's ghost
415138 | Zig:22   | Killed Fenir's ghost
415138 | Zig:22   | Noticed Janeylunn's ghost (veteran GnWn)
415138 | Zig:22   | Noticed Diezoyro's ghost (legendary DDNe)
415138 | Zig:22   | Noticed Waohesse's ghost (legendary VSFi)
415138 | Zig:22   | Noticed astronautguy's ghost (legendary FoEE)
415139 | Zig:22   | Noticed Alysiarr's ghost (legendary KoHu)
415139 | Zig:22   | Killed Ikusitist's ghost
415139 | Zig:22   | Killed Zachydoop's ghost
415139 | Zig:22   | Noticed Xiwu's ghost (legendary MiFi)
415139 | Zig:22   | Noticed thechecker02's ghost (legendary DDFi)
415140 | Zig:22   | Noticed Pusocauss's ghost (legendary VSBe)
415141 | Zig:22   | Noticed Xaowkis's ghost (legendary GnWr)
415141 | Zig:22   | Noticed MrChinwatt's ghost (legendary DsWn)
415141 | Zig:22   | Noticed thechecker02's ghost (master DDFi)
415141 | Zig:22   | Killed Shayle's ghost
415141 | Zig:22   | Killed GlasyaLabolas's ghost
415141 | Zig:22   | Killed meatyocre's ghost
415141 | Zig:22   | Killed blexxed's ghost
415141 | Zig:22   | Killed Piginabag's ghost
415141 | Zig:22   | Killed yaoilover's ghost
415141 | Zig:22   | Killed Zachydoop's ghost
415141 | Zig:22   | Killed thechecker02's ghost
415141 | Zig:22   | Killed EricTams's ghost
415141 | Zig:22   | Killed Qatinlae's ghost
415141 | Zig:22   | Noticed GlasyaLabolas's ghost (legendary MiFi)
415141 | Zig:22   | Noticed Shayle's ghost (legendary GnHW)
415141 | Zig:22   | Noticed Shayle's ghost (legendary GnHW)
415141 | Zig:22   | Noticed TuffENuff's ghost (legendary FoFi)
415142 | Zig:22   | Noticed Gucom's ghost (veteran GnFi)
415142 | Zig:22   | Killed Manman's ghost
415142 | Zig:22   | Killed Boduf's ghost
415142 | Zig:22   | Killed WiseOSalty's ghost
415142 | Zig:22   | Killed Himmaryad's ghost
415142 | Zig:22   | Killed Zoplarin's ghost
415142 | Zig:22   | Noticed Diezoyro's ghost (legendary DDNe)
415142 | Zig:22   | Noticed Waohesse's ghost (legendary VSFi)
415142 | Zig:22   | Noticed Zonian's ghost (legendary HOFi)
415142 | Zig:22   | Killed lmSkywalker's ghost
415142 | Zig:22   | Noticed Qeilemp's ghost (legendary HOFi)
415142 | Zig:22   | Noticed runemage's ghost (legendary GnFi)
415142 | Zig:22   | Noticed yaoilover's ghost (veteran MiBe)
415142 | Zig:22   | Noticed Vuopse's ghost (legendary GnIE)
415143 | Zig:22   | Noticed Xuqyot's ghost (legendary DsFi)
415143 | Zig:22   | Killed Piginabag's ghost
415143 | Zig:22   | Killed Boduf's ghost
415143 | Zig:22   | Killed Ubraesch's ghost
415143 | Zig:22   | Killed Alysiarr's ghost
415143 | Zig:22   | Killed Shayle's ghost
415143 | Zig:22   | Killed Janeylunn's ghost
415143 | Zig:22   | Killed Xaowkis's ghost
415143 | Zig:22   | Noticed Piginabag's ghost (legendary DsSk)
415143 | Zig:22   | Noticed Denobboc's ghost (legendary OpMo)
415143 | Zig:22   | Noticed Diezoyro's ghost (legendary DDNe)
415143 | Zig:22   | Noticed Ubraesch's ghost (adept TrMo)
415143 | Zig:22   | Noticed Xocw's ghost (legendary GrMo)
415143 | Zig:22   | Noticed stevelinton's ghost (legendary KoBe)
415143 | Zig:22   | Noticed Huju's ghost (legendary HOFi)
415143 | Zig:22   | Noticed strangelove's ghost (master GrEE)
415143 | Zig:22   | Noticed Gemnonof's ghost (adept DgCj)
415144 | Zig:22   | Killed GlasyaLabolas's ghost
415144 | Zig:22   | Killed BerryKnight's ghost
415144 | Zig:22   | Killed Zonian's ghost
415144 | Zig:22   | Killed Waohesse's ghost
415144 | Zig:22   | Killed Diezoyro's ghost
415144 | Zig:22   | Killed Kalug's ghost
415144 | Zig:22   | Killed Ikusitist's ghost
415144 | Zig:22   | Killed MrChinwatt's ghost
415144 | Zig:22   | Killed Evehuixoju's ghost
415144 | Zig:22   | Killed Gemnonof's ghost
415144 | Zig:22   | Killed thechecker02's ghost
415144 | Zig:22   | Killed MrChinwatt's ghost
415144 | Zig:22   | Killed Gucom's ghost
415144 | Zig:22   | Killed Ubraesch's ghost
415144 | Zig:22   | Noticed Fugi's ghost (legendary FoFi)
415144 | Zig:22   | Noticed Pikuto's ghost (adept MiBe)
415144 | Zig:22   | Noticed xzight's ghost (legendary MiBe)
415144 | Zig:22   | Noticed Hewasun's ghost (legendary MiBe)
415144 | Zig:22   | Noticed Zachydoop's ghost (veteran MiMo)
415144 | Zig:22   | Noticed SevenDeadlySins's ghost (legendary DrCj)
415144 | Zig:22   | Noticed Fenir's ghost (legendary GnAE)
415144 | Zig:22   | Noticed Rirumasy's ghost (legendary OpWn)
415144 | Zig:22   | Noticed Gemnonof's ghost (adept DgCj)
415144 | Zig:22   | Noticed stevelinton's ghost (legendary KoBe)
415144 | Zig:22   | Noticed grandjackal's ghost (legendary DsGl)
415144 | Zig:22   | Noticed Dittersdorf's ghost (legendary MiBe)
415144 | Zig:22   | Noticed stevelinton's ghost (legendary KoBe)
415144 | Zig:22   | Noticed Dittersdorf's ghost (legendary MiBe)
415144 | Zig:22   | Noticed Dittersdorf's ghost (legendary MiBe)
415144 | Zig:22   | Noticed thechecker02's ghost (legendary DDFi)
415144 | Zig:22   | Noticed Waohesse's ghost (legendary VSFi)
415145 | Zig:22   | Noticed lmSkywalker's ghost (adept DrTm)
415145 | Zig:22   | Noticed Xorhowon's ghost (legendary MiBe)
415145 | Zig:22   | Noticed Motirgh's ghost (legendary DgHW)
415145 | Zig:22   | Noticed Ubraesch's ghost (adept TrMo)
415145 | Zig:22   | Noticed Ebassic's ghost (veteran GrFi)
415145 | Zig:22   | Noticed Pusocauss's ghost (legendary VSBe)
415145 | Zig:22   | Noticed Pikuto's ghost (adept MiBe)
415145 | Zig:22   | Killed Xuqyot's ghost
415145 | Zig:22   | Killed Pusocauss's ghost
415145 | Zig:22   | Noticed Unuchuin's ghost (legendary GnFi)
415145 | Zig:22   | Noticed Rueful's ghost (legendary TrWr)
415145 | Zig:22   | Noticed frimble's ghost (legendary GrFi)
415145 | Zig:22   | Noticed Dameikh's ghost (veteran FoFi)
415145 | Zig:22   | Noticed yaoilover's ghost (veteran MiBe)
415145 | Zig:22   | Noticed grandjackal's ghost (legendary DsGl)
415145 | Zig:22   | Noticed Ebassic's ghost (veteran GrFi)
415145 | Zig:22   | Noticed Viugiw's ghost (legendary TeBe)
415145 | Zig:22   | Noticed Xiwu's ghost (legendary MiFi)
415145 | Zig:22   | Noticed Evehuixoju's ghost (legendary VSFi)
415145 | Zig:22   | Noticed sleeves's ghost (legendary HuSk)
415145 | Zig:22   | Noticed Fueng's ghost (legendary HOFi)
415145 | Zig:22   | Noticed Zeph's ghost (adept NaFi)
415145 | Zig:22   | Noticed Piginabag's ghost (legendary DsSk)
415145 | Zig:22   | Noticed Diezoyro's ghost (legendary DDNe)
415145 | Zig:22   | Noticed EricTams's ghost (veteran MiBe)
415145 | Zig:22   | Noticed Totuz's ghost (legendary HOFi)
415145 | Zig:22   | Noticed Xatwola's ghost (legendary DDFi)
415145 | Zig:22   | Noticed Zenecom's ghost (legendary MiFi)
415145 | Zig:22   | Noticed Qupubruts's ghost (master HOFi)
415145 | Zig:22   | Noticed blexxed's ghost (legendary DsFi)
415145 | Zig:22   | Noticed Gemnonof's ghost (adept DgCj)
415145 | Zig:22   | Noticed Unuchuin's ghost (legendary GnFi)
415146 | Zig:22   | Noticed Totuz's ghost (legendary HOFi)
415146 | Zig:22   | Noticed BoringLoser's ghost (veteran TeAE)
415146 | Zig:22   | Noticed Xiwu's ghost (legendary MiFi)
415146 | Zig:22   | Noticed Sext's ghost (legendary MiFi)
415146 | Zig:22   | Noticed lukano's ghost (legendary GrFi)
415146 | Zig:22   | Noticed Waohesse's ghost (legendary VSFi)
415146 | Zig:22   | Noticed Fouwomub's ghost (legendary FoEE)
415146 | Zig:22   | Noticed Marixus's ghost (legendary DDFi)
415146 | Zig:22   | Noticed swap's ghost (legendary DEFE)
415146 | Zig:22   | Noticed Manman's ghost (legendary HOGl)
415146 | Zig:22   | Noticed meatyocre's ghost (veteran TrFi)
415146 | Zig:22   | Noticed Manman's ghost (legendary HOGl)
415146 | Zig:22   | Noticed sleeves's ghost (legendary DsFi)
415146 | Zig:22   | Killed Xuqyot's ghost
415146 | Zig:22   | Killed strangelove's ghost
415146 | Zig:22   | Killed Vuopse's ghost
415146 | Zig:22   | Killed Polaczum's ghost
415146 | Zig:22   | Killed Diezoyro's ghost
415146 | Zig:22   | Killed runemage's ghost
415146 | Zig:22   | Noticed meatyocre's ghost (veteran TrFi)
415147 | Zig:22   | Noticed Xutext's ghost (adept DsAK)
415148 | Zig:22   | Killed stevelinton's ghost
415149 | Zig:22   | Killed Waohesse's ghost
415149 | Zig:22   | Killed Fenir's ghost
415150 | Zig:22   | Killed grandjackal's ghost
415150 | Zig:22   | Killed TuffENuff's ghost
415150 | Zig:22   | Noticed Motirgh's ghost (legendary DgHW)
415151 | Zig:22   | Killed Dameikh's ghost
415151 | Zig:22   | Killed thechecker02's ghost
415151 | Zig:22   | Killed Rirumasy's ghost
415151 | Zig:22   | Killed xzight's ghost
415151 | Zig:22   | Killed Denobboc's ghost
415151 | Zig:22   | Killed Pikuto's ghost
415152 | Zig:22   | Killed Unuchuin's ghost
415153 | Zig:22   | Killed Piginabag's ghost
415153 | Zig:22   | Killed Pikuto's ghost
415153 | Zig:22   | Killed grandjackal's ghost
415153 | Zig:22   | Killed Huju's ghost
415153 | Zig:22   | Killed astronautguy's ghost
415153 | Zig:22   | Killed Xiwu's ghost
415153 | Zig:22   | Killed Qupubruts's ghost
415153 | Zig:22   | Killed yaoilover's ghost
415153 | Zig:22   | Killed Xocw's ghost
415153 | Zig:22   | Noticed Boduf's ghost (legendary FoHu)
415153 | Zig:22   | Noticed Polaczum's ghost (adept TrMo)
415153 | Zig:22   | Noticed Teaz Xo Upt's ghost (legendary GnFE)
415154 | Zig:22   | Noticed Zenecom's ghost (legendary MiFi)
415155 | Zig:22   | Noticed Polaczum's ghost (adept TrMo)
415155 | Zig:22   | Noticed Nenig's ghost (legendary GnFi)
415157 | Zig:22   | Killed Dittersdorf's ghost
415157 | Zig:22   | Killed Xiwu's ghost
415157 | Zig:22   | Killed Fugi's ghost
415157 | Zig:22   | Killed Pusocauss's ghost
415157 | Zig:22   | Killed thechecker02's ghost
415157 | Zig:22   | Killed Qeilemp's ghost
415157 | Zig:22   | Killed EricTams's ghost
415157 | Zig:22   | Killed frimble's ghost
415157 | Zig:22   | Killed Gemnonof's ghost
415157 | Zig:22   | Killed frimble's ghost
415158 | Zig:22   | Killed SevenDeadlySins's ghost
415158 | Zig:22   | Killed Zenecom's ghost
415158 | Zig:22   | Killed Piginabag's ghost
415158 | Zig:22   | Killed Xorhowon's ghost
415158 | Zig:22   | Killed stevelinton's ghost
415158 | Zig:22   | Noticed Zonian's ghost (legendary HOFi)
415159 | Zig:22   | Killed stevelinton's ghost
415159 | Zig:22   | Killed Motirgh's ghost
415159 | Zig:22   | Killed SevenDeadlySins's ghost
415159 | Zig:22   | Killed Waohesse's ghost
415159 | Zig:22   | Killed blexxed's ghost
415159 | Zig:22   | Killed Waohesse's ghost
415159 | Zig:22   | Killed Xutext's ghost
415159 | Zig:22   | Killed Motirgh's ghost
415159 | Zig:22   | Killed Hewasun's ghost
415159 | Zig:22   | Killed Rueful's ghost
415159 | Zig:22   | Killed Shayle's ghost
415161 | Zig:22   | Noticed Walil's ghost (veteran MiMo)
415161 | Zig:22   | Noticed Shayle's ghost (legendary GnHW)
415161 | Zig:22   | Noticed Ekeiwkem's ghost (legendary DsFi)
415161 | Zig:22   | Noticed Alysiarr's ghost (legendary KoHu)
415162 | Zig:22   | Killed Dittersdorf's ghost
415162 | Zig:22   | Killed Xatwola's ghost
415162 | Zig:22   | Killed meatyocre's ghost
415162 | Zig:22   | Killed lmSkywalker's ghost
415162 | Zig:22   | Killed Diezoyro's ghost
415162 | Zig:22   | Killed Manman's ghost
415162 | Zig:22   | Killed Teaz Xo Upt's ghost
415162 | Zig:22   | Killed Ubraesch's ghost
415163 | Zig:22   | Killed Fouwomub's ghost
415163 | Zig:22   | Killed Zachydoop's ghost
415163 | Zig:22   | Killed Viugiw's ghost
415163 | Zig:22   | Killed sleeves's ghost
415163 | Zig:22   | Killed Totuz's ghost
415163 | Zig:22   | Killed Polaczum's ghost
415163 | Zig:22   | Killed Ikusitist's ghost
415164 | Zig:22   | Killed Xiwu's ghost
415164 | Zig:22   | Killed Evehuixoju's ghost
415164 | Zig:22   | Killed Zenecom's ghost
415164 | Zig:22   | Killed swap's ghost
415164 | Zig:22   | Killed Fueng's ghost
415164 | Zig:22   | Killed Diezoyro's ghost
415164 | Zig:22   | Killed Zeph's ghost
415164 | Zig:22   | Noticed Gemnonof's ghost (adept DgCj)
415164 | Zig:22   | Noticed tigertrap's ghost (legendary DgHW)
415164 | Zig:22   | Noticed Zachydoop's ghost (veteran MiMo)
415164 | Zig:22   | Noticed thechecker02's ghost (legendary DDFi)
415164 | Zig:22   | Noticed BoringLoser's ghost (veteran TeAE)
415165 | Zig:22   | Killed meatyocre's ghost
415165 | Zig:22   | Killed Dittersdorf's ghost
415165 | Zig:22   | Killed sleeves's ghost
415165 | Zig:22   | Killed Ebassic's ghost
415165 | Zig:22   | Killed Walil's ghost
415165 | Zig:22   | Killed Polaczum's ghost
415165 | Zig:22   | Noticed Zachydoop's ghost (veteran MiMo)
415166 | Zig:22   | Noticed Anafel's ghost (legendary GrFi)
415166 | Zig:22   | Noticed Denobboc's ghost (legendary OpMo)
415166 | Zig:22   | Killed Marixus's ghost
415166 | Zig:22   | Killed Qupubruts's ghost
415166 | Zig:22   | Killed Zonian's ghost
415166 | Zig:22   | Killed Nenig's ghost
415166 | Zig:22   | Killed Alysiarr's ghost
415166 | Zig:22   | Killed Boduf's ghost
415168 | Zig:22   | Killed Shayle's ghost
415168 | Zig:22   | Killed Gemnonof's ghost
415170 | Zig:22   | Noticed Manman's ghost (legendary HOGl)
415170 | Zig:22   | Noticed Godueg's ghost (veteran HOFi)
415170 | Zig:22   | Noticed astronautguy's ghost (legendary FoEE)
415171 | Zig:22   | Killed Kalug's ghost
415171 | Zig:22   | Killed thechecker02's ghost
415171 | Zig:22   | Noticed Himmaryad's ghost (adept TrMo)
415171 | Zig:22   | Noticed Xaowkis's ghost (legendary GnWr)
415171 | Zig:22   | Noticed Ekeiwkem's ghost (legendary DsFi)
415171 | Zig:22   | Noticed Rirumasy's ghost (legendary OpWn)
415172 | Zig:22   | Noticed Ucrups's ghost (legendary MiFi)
415172 | Zig:22   | Noticed Evehuixoju's ghost (legendary VSFi)
415172 | Zig:22   | Noticed strangelove's ghost (master GrEE)
415172 | Zig:22   | Noticed corvin's ghost (legendary OgWn)
415172 | Zig:22   | Noticed Xuqyot's ghost (legendary DsFi)
415172 | Zig:22   | Noticed Fenir's ghost (legendary GnAE)
415172 | Zig:22   | Noticed Barug's ghost (adept TrMo)
415172 | Zig:22   | Noticed Totuz's ghost (legendary HOFi)
415173 | Zig:22   | Killed Zachydoop's ghost
415173 | Zig:22   | Killed Zachydoop's ghost
415173 | Zig:22   | Killed Denobboc's ghost
415173 | Zig:22   | Killed Ekeiwkem's ghost
415173 | Zig:22   | Killed lukano's ghost
415173 | Zig:22   | Killed tigertrap's ghost
415173 | Zig:22   | Killed BoringLoser's ghost
415173 | Zig:22   | Noticed scarywalker64's ghost (veteran BaSu)
415173 | Zig:22   | Noticed ragingrage's ghost (legendary OpFE)
415173 | Zig:22   | Noticed Jargh's ghost (legendary FoFi)
415176 | Zig:22   | Killed Anafel's ghost
415176 | Zig:22   | Noticed Jeklifit's ghost (legendary FoFi)
415177 | Zig:22   | Noticed Qatinlae's ghost (veteran DEFE)
415178 | Zig:22   | Noticed Dameikh's ghost (veteran FoFi)
415179 | Zig:22   | Noticed sleeves's ghost (legendary HuSk)
415179 | Zig:22   | Noticed thechecker02's ghost (master DDFi)
415180 | Zig:22   | Noticed Zonian's ghost (legendary HOFi)
415180 | Zig:22   | Noticed grandjackal's ghost (legendary DsGl)
415180 | Zig:22   | Noticed Zachydoop's ghost (veteran MiGl)
415180 | Zig:22   | Noticed Totuz's ghost (legendary HOFi)
415180 | Zig:22   | Noticed SevenDeadlySins's ghost (legendary DrCj)
415180 | Zig:22   | Noticed Diezoyro's ghost (legendary DDNe)
415181 | Zig:22   | Killed Sext's ghost
415181 | Zig:22   | Killed Unuchuin's ghost
415181 | Zig:22   | Killed Manman's ghost
415181 | Zig:22   | Killed Gemnonof's ghost
415181 | Zig:22   | Killed Himmaryad's ghost
415181 | Zig:22   | Killed Barug's ghost
415181 | Zig:22   | Killed yaoilover's ghost
415183 | Zig:22   | Noticed Pusocauss's ghost (legendary VSBe)
415184 | Zig:22   | Killed strangelove's ghost
415185 | Zig:22   | Killed Jargh's ghost
415185 | Zig:22   | Killed Rirumasy's ghost
415185 | Zig:22   | Killed Fenir's ghost
415185 | Zig:22   | Killed grandjackal's ghost
415185 | Zig:22   | Killed corvin's ghost
415185 | Zig:22   | Noticed Qupubruts's ghost (master HOFi)
415185 | Zig:22   | Noticed Kalug's ghost (legendary DrFi)
415186 | Zig:22   | Killed scarywalker64's ghost
415186 | Zig:22   | Killed Ekeiwkem's ghost
415186 | Zig:22   | Killed astronautguy's ghost
415186 | Zig:22   | Killed thechecker02's ghost
415186 | Zig:22   | Killed Dameikh's ghost
415186 | Zig:22   | Killed ragingrage's ghost
415186 | Zig:22   | Killed Ebassic's ghost
415186 | Zig:22   | Killed Pusocauss's ghost
415186 | Zig:22   | Noticed WeeknightWizard's ghost (veteran DEFE)
415186 | Zig:22   | Noticed agentgt's ghost (legendary MiCK)
415187 | Zig:22   | Noticed Dittersdorf's ghost (legendary MiBe)
415188 | Zig:22   | Killed Jeklifit's ghost
415188 | Zig:22   | Killed Evehuixoju's ghost
415188 | Zig:22   | Killed Zonian's ghost
415188 | Zig:22   | Killed Godueg's ghost
415188 | Zig:22   | Killed Totuz's ghost
415188 | Zig:22   | Killed Totuz's ghost
415188 | Zig:22   | Killed Ucrups's ghost
415188 | Zig:22   | Killed Qatinlae's ghost
415188 | Zig:22   | Noticed EricTams's ghost (veteran MiBe)
415188 | Zig:22   | Noticed Himmaryad's ghost (adept TrMo)
415188 | Zig:22   | Killed sleeves's ghost
415189 | Zig:22   | Noticed Zachydoop's ghost (veteran MiMo)
415189 | Zig:22   | Noticed Piginabag's ghost (veteran GnMo)
415189 | Zig:22   | Noticed Alysiarr's ghost (legendary KoHu)
415189 | Zig:22   | Noticed Polaczum's ghost (adept TrMo)
415189 | Zig:22   | Noticed Zachydoop's ghost (veteran MiMo)
415189 | Zig:22   | Noticed Rueful's ghost (legendary TrWr)
415189 | Zig:22   | Killed SevenDeadlySins's ghost
415189 | Zig:22   | Noticed Ubraesch's ghost (adept TrMo)
415190 | Zig:22   | Killed BoringLoser's ghost
415190 | Zig:22   | Killed WeeknightWizard's ghost
415190 | Zig:22   | Killed Xuqyot's ghost
415190 | Zig:22   | Killed Kalug's ghost
415190 | Zig:22   | Killed Xaowkis's ghost
415190 | Zig:22   | Noticed Piginabag's ghost (veteran GnMo)
415192 | Zig:22   | Killed Totuz's ghost
415192 | Zig:22   | Killed Manman's ghost
415192 | Zig:22   | Killed EricTams's ghost
415192 | Zig:22   | Noticed Heartburn's ghost (veteran MiFi)
415192 | Zig:22   | Noticed Pohawk's ghost (adept MiGl)
415192 | Zig:22   | Noticed Zeph's ghost (adept NaFi)
415193 | Zig:22   | Noticed Talannal's ghost (legendary GnHW)
415193 | Zig:22   | Noticed Hacvoq's ghost (legendary HOFi)
415193 | Zig:22   | Killed Polaczum's ghost
415193 | Zig:22   | Killed Himmaryad's ghost
415194 | Zig:22   | Noticed Saphesar's ghost (veteran DsFi)
415194 | Zig:22   | Noticed Piginabag's ghost (veteran GnMo)
415194 | Zig:22   | Killed agentgt's ghost
415195 | Zig:22   | Killed Dittersdorf's ghost
415195 | Zig:22   | Killed Diezoyro's ghost
415195 | Zig:22   | Killed Zachydoop's ghost
415195 | Zig:22   | Killed Alysiarr's ghost
415195 | Zig:22   | Killed Piginabag's ghost
415195 | Zig:22   | Noticed Barug's ghost (adept TrMo)
415196 | Zig:22   | Noticed Walil's ghost (veteran MiMo)
415196 | Zig:22   | Noticed Zeph's ghost (adept NaFi)
415197 | Zig:22   | Noticed deprived's ghost (legendary HOFi)
415198 | Zig:22   | Killed Piginabag's ghost
415198 | Zig:22   | Killed Saphesar's ghost
415198 | Zig:22   | Killed Qupubruts's ghost
415198 | Zig:22   | Killed Heartburn's ghost
415198 | Zig:22   | Noticed andrewp's ghost (veteran MiBe)
415199 | Zig:22   | Noticed Heartburn's ghost (veteran MiFi)
415199 | Zig:22   | Killed Pohawk's ghost
415199 | Zig:22   | Killed Zachydoop's ghost
415199 | Zig:22   | Killed Talannal's ghost
415200 | Zig:22   | Killed Zeph's ghost
415200 | Zig:22   | Killed Piginabag's ghost
415200 | Zig:22   | Killed Ubraesch's ghost
415201 | Zig:22   | Noticed frimble's ghost (adept DsGl)
415201 | Zig:22   | Noticed Pohawk's ghost (adept MiGl)
415208 | Zig:22   | Killed andrewp's ghost
415208 | Zig:22   | Killed Zachydoop's ghost
415208 | Zig:22   | Killed Walil's ghost
415208 | Zig:22   | Killed Barug's ghost
415208 | Zig:22   | Killed Zeph's ghost
415208 | Zig:22   | Killed Hacvoq's ghost
415209 | Zig:22   | Killed Heartburn's ghost
415210 | Zig:22   | Noticed Xutext's ghost (adept DsAK)
415210 | Zig:22   | Killed deprived's ghost
415210 | Zig:22   | Killed Rueful's ghost
415210 | Zig:22   | Killed frimble's ghost
415210 | Zig:22   | Killed Pohawk's ghost
415223 | Zig:22   | Killed Xutext's ghost
415601 | Zig:22   | Identified the ring "Pyariny" {*Corrode *Slow Str+5 Dex+6
                  | Slay+3}
415664 | Zig:22   | Identified the +8 shortbow "Tisiu" {freeze, Str+3}
415665 | Zig:22   | Identified the ring of Xaixtew {rPois Int-5 Dex+5 SInv}
415670 | Zig:22   | Identified the +8 great sword "Micu" {heavy, rPois Int+3
                  | Stlth+}
415687 | Zig:22   | Identified the +6 mace of the Madman {venom, Fly rF- Str+2
                  | SInv}
415696 | Zig:22   | Identified the ring of Sexeos {AC+4 Int+4}
415704 | Zig:22   | Identified the +12 dagger of Dishonesty {heavy, *Rage rC++}
415712 | Zig:22   | Identified the +5 mace "Heon" {elec, MP+9}
415717 | Zig:22   | Identified the +1 troll leather armour of Gehenna {Regen+
                  | Str+5}
416139 | Zig:23   | Entered Level 23 of a ziggurat
416460 | Zig:23   | Identified the +6 scimitar of the Bespelling Fool {drain,
                  | Dex+4}
416461 | Zig:23   | Identified the +1 pair of gloves of Altruism {rC+}
416478 | Zig:23   | Identified the staff of air "Ipnocka" {rElec rCorr}
416479 | Zig:23   | Identified the +7 sling of Law {antimagic, Str+3 Int-4}
416486 | Zig:23   | Identified the +5 shortbow of Slow Death {heavy, Int+2}
416490 | Zig:23   | Identified the +2 executioner's axe "Irhytei" {drain, Str+3
                  | Int+3}
416494 | Zig:23   | Identified the ring "Ynwaqafe" {rCorr Dex+6}
416508 | Zig:23   | Identified the ring of Saivukk {Fly rF+ Dex+2}
416523 | Zig:23   | Identified the ring "Ucvosut" {Fire rCorr Str+2}
416553 | Zig:23   | Identified the +4 shortbow "Affill" {drain, rElec rF+ rC-
                  | Dex+6}
416567 | Zig:23   | Identified the +5 mace of Durable Indomitability {heavy,
                  | rC+}
416590 | Zig:23   | Identified the +3 dagger of the Sneaky Dances {venom, rCorr
                  | Str+3}
416594 | Zig:23   | Identified the staff of air "Rure" {rElec rF- Str+3 Int+3}
416595 | Zig:23   | Identified the ring of Athroh {+Blink Will+}
416607 | Zig:23   | Identified the +4 plate armour of Hedonism {Str+3 Int+2
                  | Dex-3}
416611 | Zig:23   | Identified the +7 great mace of Peril {elec, rN+}
416613 | Zig:23   | Identified the +4 mace of Bupoerch {flame, rC+ Dex+2}
416639 | Zig:23   | Identified the +2 ring mail of Articulation {rElec rF+
                  | Will- Str+2}
416649 | Zig:23   | Identified the +0 chain mail of the Spheres {-Tele Rampage
                  | rPois Stlth-}
417261 | Zig:24   | Entered Level 24 of a ziggurat
417302 | Zig:24   | Identified the ring "Picaifij" {*Slow EV+5 Str+5}
417306 | Zig:24   | Identified the +3 hand axe "Hawuyggic" {drain, SInv}
417969 | Zig:24   | Identified the ring of Oposch {rC+ rN+ Str+4 Int+5}
418074 | Zig:24   | Identified the staff of cold "Senyeska" {rC+ Will- rCorr
                  | MP+9 Int+2}
418080 | Zig:24   | Identified the ring "Leghir" {AC+4 Slay+3}
418088 | Zig:24   | Identified the ring "Bedd" {rC+ Slay+4}
418113 | Zig:24   | Identified the staff of poison "Esoch" {rElec rPois rF-
                  | Dex+3}
418136 | Zig:24   | Identified the ring of Twilight {Fire rElec}
418143 | Zig:24   | Identified the staff of air "Bioli" {rElec MP+9 Str+2}
418158 | Zig:24   | Identified the +9 hand axe of Ziedoa {flame, Dex+3}
418174 | Zig:24   | Identified the +1 dagger "Rubicw" {pain, *Noise rPois rN++
                  | Str+3}
418178 | Zig:24   | Identified the ring of Hech {*Slow rC- Dex+6 SInv Stlth+}
418212 | Zig:24   | Identified the +3 glaive of the Omega Point {freeze, rF-
                  | rN+ Str+3}
418237 | Zig:24   | Identified the +6 morningstar "Weddug Roll" {antimagic,
                  | Int+6 Stlth-}
418247 | Zig:24   | Identified the +8 morningstar "Borhypn" {holy, Str+3 Int-5
                  | Dex+4}
418250 | Zig:24   | Identified the +2 robe of Ven Ladu {rElec rF- MP-9 Stlth+}
418262 | Zig:24   | Identified the amulet of Vadghaur {Faith rC- Dex+5}
418263 | Zig:24   | Identified the +0 robe of Lifelessness {Regen+}
418275 | Zig:24   | Identified the +0 robe of Lyzxesso {Str+5}
418278 | Zig:24   | Identified the amulet of Motseum {Spirit rC+ Str+5}
418393 | Zig:25   | Entered Level 25 of a ziggurat
418432 | Zig:25   | Paralysed by accursed screaming for 2 turns
418682 | Zig:25   | Identified the +0 cloak of Conscience {rCorr}
418709 | Zig:25   | Identified the staff of conjuration "Terghorch" {rF+ Str-5
                  | Dex+6}
418711 | Zig:25   | Identified the ring of Mistrust {rF+ Str+6}
418715 | Zig:25   | Identified the +1 battleaxe of Tojouc {freeze, Str+4}
418730 | Zig:25   | Identified the +7 quarterstaff "Dogagocw" {drain, *Slow
                  | Int+7}
418763 | Zig:25   | Identified the ring "Itukhlir" {rC++ Will+ rCorr Str+6
                  | Int+3}
418768 | Zig:25   | Identified the staff of fire "Ozeoh" {rPois rF+ Int+2}
419519 | Zig:25   | Identified the staff of fire "Okluth" {Fly rF+ Str+3 Int+2}
419635 | Zig:26   | Entered Level 26 of a ziggurat
419653 | Zig:26   | Noticed a dread lich
419656 | Zig:26   | Killed a dread lich
419671 | Zig:26   | Noticed a dread lich
419673 | Zig:26   | Killed a dread lich
419680 | Zig:26   | Noticed an ancient lich
419681 | Zig:26   | Killed an ancient lich
419685 | Zig:26   | Noticed an ancient lich
419686 | Zig:26   | Noticed a dread lich
419701 | Zig:26   | Killed an ancient lich
419702 | Zig:26   | Killed a dread lich
419708 | Zig:26   | Noticed an ancient lich
419708 | Zig:26   | Noticed a dread lich
419710 | Zig:26   | Killed a dread lich
419711 | Zig:26   | Killed an ancient lich
420336 | Zig:26   | Identified the +1 glaive "Toidu" {venom, Str+2 Int-2 Dex+3}
420347 | Zig:26   | Identified the ring "Adghutsem" {Fly Str+3 Dex-5 Slay+3}
420348 | Zig:26   | Identified the +8 chain mail of Gusimot {rN+ Regen+ Slay+5}
420362 | Zig:26   | Identified the +7 glaive of Indomitability {heavy, *Slow
                  | rF+ rN+ Stlth+}
420375 | Zig:26   | Identified the +0 chain mail of Broken Taboos {Rampage +Inv
                  | Will+ Dex+6}
420392 | Zig:26   | Identified the +2 sling of Abuse {drain, rPois}
420396 | Zig:26   | Identified the +3 chain mail of Forking Paths {-Tele
                  | Will+++ rCorr Str-5}
420400 | Zig:26   | Identified the +8 glaive of the Blind Eye {freeze, rCorr
                  | Str+2 Int+2 Dex-2}
420407 | Zig:26   | Identified the +1 scale mail of Lifelessness {rPois Regen+
                  | Int+6 Slay-5}
420408 | Zig:26   | Identified the +2 robe "Kutel" {Contam rPois Stlth+}
420410 | Zig:26   | Identified the +6 great sword "Grim Tooth" {drain, rElec
                  | rPois rCorr Int-2}
420420 | Zig:26   | Identified the +0 halberd "Cyhoun" {holy, Str+4}
420425 | Zig:26   | Identified the staff of cold "Tity Ril" {rPois rC+ Will+
                  | Str+2}
420434 | Zig:26   | Identified the +4 flail of Vilezudote {speed, Fly}
420435 | Zig:26   | Identified the staff of poison "Geraton" {rPois rN+ Int-3
                  | Stlth+}
420436 | Zig:26   | Identified the +9 war axe "Zeliol" {elec, rN+ Dex+4}
420451 | Zig:26   | Identified the +1 broad axe "Dragonslayer" {freeze, rElec
                  | rN+ Stlth+}
420459 | Zig:26   | Identified the +6 falchion of Mutilation {flame, rElec
                  | Dex+4}
420468 | Zig:26   | Identified the +2 spear "Xexzomi" {flame, Fragile rC+
                  | Dex+5}
420477 | Zig:26   | Identified the ring of Qehat {rElec rC+ Str+2}
420581 | Zig:27   | Entered Level 27 of a ziggurat
420857 | Zig:27   | Identified the +0 ring mail of the Salamander {Int+3 Dex+2}
420858 | Zig:27   | Identified the amulet "Kish" {rElec Regen+ rCorr Int+2}
420864 | Zig:27   | Identified the staff of poison "Oshumaf" {rElec rPois Str-3
                  | Int+3}
420865 | Zig:27   | Identified the +6 trident of Cuirorurr {freeze, rPois rC+
                  | rN+ Dex+2}
420866 | Zig:27   | Identified the +1 arbalest of Red Wine {penet, *Corrode rF+
                  | MP+9 Str+3}
420870 | Zig:27   | Identified the ring of Lirialyask {Ice Str+3 Stlth+}
420875 | Zig:27   | Identified the +6 falchion "Olic" {elec, rC++}
420878 | Zig:27   | Identified the staff of death "Buna" {rF++ rN+ Str+3}
420883 | Zig:27   | Identified the staff of death "Pount" {rC+ rN+}
420895 | Zig:27   | Identified the +9 hand axe of Agony {drain, *Noise rPois
                  | rC+ Int+3}
420908 | Zig:27   | Identified the +2 war axe of Nemelex Xobeh's Pride {flame,
                  | +Blink Str+3}
420911 | Zig:27   | Identified the staff of fire "Ihistroto" {rF+ rN+ Str-2
                  | Stlth+}
420918 | Zig:27   | Identified the +0 chain mail of Tartarus {Rampage Str+5
                  | Dex-3}
420919 | Zig:27   | Identified the +1 long sword "Voosanty" {antimagic, rElec
                  | rC+}
421737 | Zig:1    | Entered Level 1 of a ziggurat
421737 | Zig:1    | Noticed a juggernaut
421739 | Zig:1    | Noticed a juggernaut
421740 | Zig:1    | Killed a juggernaut
421751 | Zig:1    | Killed a juggernaut
421989 | Zig:2    | Entered Level 2 of a ziggurat
422264 | Zig:3    | Entered Level 3 of a ziggurat
422264 | Zig:3    | Noticed Mujeczue the pandemonium lord
422264 | Zig:3    | Noticed Nytteq the pandemonium lord
422264 | Zig:3    | Noticed Xionao the pandemonium lord
422264 | Zig:3    | Noticed Donlesig the pandemonium lord
422264 | Zig:3    | Noticed Wisch the pandemonium lord
422264 | Zig:3    | Noticed Galorr the pandemonium lord
422264 | Zig:3    | Noticed Pueps the pandemonium lord
422264 | Zig:3    | Noticed Ceqyklapp the pandemonium lord
422264 | Zig:3    | Noticed Atrozag the pandemonium lord
422264 | Zig:3    | Noticed Xamextiag the pandemonium lord
422264 | Zig:3    | Noticed Fyozehig the pandemonium lord
422264 | Zig:3    | Noticed Queciore the pandemonium lord
422264 | Zig:3    | Noticed Nompeac the pandemonium lord
422264 | Zig:3    | Noticed Jagy the pandemonium lord
422264 | Zig:3    | Noticed Ponuth the pandemonium lord
422264 | Zig:3    | Noticed Opuleom the pandemonium lord
422264 | Zig:3    | Noticed Wuas Hao the pandemonium lord
422264 | Zig:3    | Noticed Fopn the pandemonium lord
422265 | Zig:3    | Killed Nytteq the pandemonium lord
422265 | Zig:3    | Killed Pueps the pandemonium lord
422265 | Zig:3    | Killed Fyozehig the pandemonium lord
422265 | Zig:3    | Killed Nompeac the pandemonium lord
422265 | Zig:3    | Killed Opuleom the pandemonium lord
422265 | Zig:3    | Killed Jagy the pandemonium lord
422265 | Zig:3    | Killed Ponuth the pandemonium lord
422265 | Zig:3    | Noticed Tiniqox the pandemonium lord
422265 | Zig:3    | Noticed Lageluas the pandemonium lord
422266 | Zig:3    | Noticed Atajuzet the pandemonium lord
422267 | Zig:3    | Noticed Bisiryw the pandemonium lord
422267 | Zig:3    | Killed Fopn the pandemonium lord
422267 | Zig:3    | Killed Queciore the pandemonium lord
422267 | Zig:3    | Killed Ceqyklapp the pandemonium lord
422267 | Zig:3    | Killed Donlesig the pandemonium lord
422267 | Zig:3    | Killed Wuas Hao the pandemonium lord
422268 | Zig:3    | Killed Atrozag the pandemonium lord
422268 | Zig:3    | Killed Galorr the pandemonium lord
422268 | Zig:3    | Killed Tiniqox the pandemonium lord
422268 | Zig:3    | Killed Xionao the pandemonium lord
422268 | Zig:3    | Killed Atajuzet the pandemonium lord
422268 | Zig:3    | Noticed Attaz the pandemonium lord
422268 | Zig:3    | Noticed Junampaddo the pandemonium lord
422269 | Zig:3    | Killed Wisch the pandemonium lord
422269 | Zig:3    | Killed Xamextiag the pandemonium lord
422269 | Zig:3    | Killed Mujeczue the pandemonium lord
422269 | Zig:3    | Noticed Cyas the pandemonium lord
422270 | Zig:3    | Noticed Raatz the pandemonium lord
422271 | Zig:3    | Killed Bisiryw the pandemonium lord
422271 | Zig:3    | Killed Junampaddo the pandemonium lord
422274 | Zig:3    | Killed Cyas the pandemonium lord
422274 | Zig:3    | Killed Attaz the pandemonium lord
422277 | Zig:3    | Killed Raatz the pandemonium lord
422278 | Zig:3    | Killed Lageluas the pandemonium lord
422281 | Zig:3    | Identified the +9 morningstar of Hogre {elec, rElec rCorr
                  | Str+3 Dex-3}
422568 | Zig:3    | Identified the +4 hand axe of Ru, Hurting {heavy, Stlth+}
422573 | Zig:3    | Identified the +0 cloak "Soitay" {rC- rN+ Will+}
422649 | Zig:3    | Identified the +1 cloak "Cieddaco" {Int+3 Dex+2}
422691 | Zig:4    | Entered Level 4 of a ziggurat
422695 | Zig:4    | Noticed Wopuf the pandemonium lord
422700 | Zig:4    | Killed Wopuf the pandemonium lord
422937 | Zig:4    | Identified the staff of air "Veecyheogisk" {*Corrode rElec
                  | rN+ Int+8 SInv}
422968 | Zig:5    | Entered Level 5 of a ziggurat
422968 | Zig:5    | Noticed a juggernaut
422968 | Zig:5    | Noticed a juggernaut
422968 | Zig:5    | Noticed a juggernaut
422968 | Zig:5    | Noticed a juggernaut
422968 | Zig:5    | Noticed a juggernaut
422969 | Zig:5    | Killed a juggernaut
422969 | Zig:5    | Killed a juggernaut
422970 | Zig:5    | Killed a juggernaut
422970 | Zig:5    | Killed a juggernaut
422970 | Zig:5    | Killed a juggernaut
422973 | Zig:5    | Noticed a juggernaut
422984 | Zig:5    | Killed a juggernaut
423137 | Zig:5    | Identified the staff of air "Vope" {rElec Int+2}
423148 | Zig:5    | Identified the +2 hand axe "Efe Vur" {freeze, Str+3 SInv}
423154 | Zig:5    | Identified the +1 scale mail of Satisfaction {rF- rC+ SInv}
423224 | Zig:6    | Entered Level 6 of a ziggurat
423224 | Zig:6    | Noticed a juggernaut
423224 | Zig:6    | Noticed a juggernaut
423224 | Zig:6    | Noticed a juggernaut
423224 | Zig:6    | Noticed a juggernaut
423225 | Zig:6    | Killed a juggernaut
423225 | Zig:6    | Killed a juggernaut
423226 | Zig:6    | Noticed a juggernaut
423228 | Zig:6    | Noticed a juggernaut
423229 | Zig:6    | Noticed a juggernaut
423232 | Zig:6    | Killed a juggernaut
423232 | Zig:6    | Killed a juggernaut
423233 | Zig:6    | Killed a juggernaut
423233 | Zig:6    | Killed a juggernaut
423238 | Zig:6    | Killed a juggernaut
423461 | Zig:6    | Identified the ring "Icra" {rPois Str+2 Int+2}
423497 | Zig:7    | Entered Level 7 of a ziggurat
423632 | Zig:7    | Identified the staff of cold "Meturaq" {rC+ Will- rCorr
                  | Dex+2}
423775 | Zig:8    | Entered Level 8 of a ziggurat
423775 | Zig:8    | Noticed a dread lich
423775 | Zig:8    | Noticed an ancient lich
423775 | Zig:8    | Noticed a dread lich
423775 | Zig:8    | Noticed an ancient lich
423775 | Zig:8    | Noticed an ancient lich
423775 | Zig:8    | Noticed a dread lich
423775 | Zig:8    | Noticed a dread lich
423775 | Zig:8    | Noticed an ancient lich
423775 | Zig:8    | Noticed a dread lich
423775 | Zig:8    | Noticed an ancient lich
423775 | Zig:8    | Noticed an ancient lich
423775 | Zig:8    | Noticed a dread lich
423775 | Zig:8    | Noticed an ancient lich
423775 | Zig:8    | Noticed a dread lich
423775 | Zig:8    | Noticed a dread lich
423776 | Zig:8    | Killed a dread lich
423776 | Zig:8    | Killed a dread lich
423776 | Zig:8    | Killed an ancient lich
423776 | Zig:8    | Killed a dread lich
423776 | Zig:8    | Killed an ancient lich
423776 | Zig:8    | Killed an ancient lich
423776 | Zig:8    | Killed an ancient lich
423776 | Zig:8    | Killed an ancient lich
423777 | Zig:8    | Noticed a dread lich
423777 | Zig:8    | Noticed an ancient lich
423778 | Zig:8    | Noticed a dread lich
423778 | Zig:8    | Noticed an ancient lich
423778 | Zig:8    | Noticed an ancient lich
423779 | Zig:8    | Noticed an ancient lich
423779 | Zig:8    | Noticed a dread lich
423779 | Zig:8    | Killed a dread lich
423779 | Zig:8    | Killed a dread lich
423781 | Zig:8    | Noticed an ancient lich
423781 | Zig:8    | Noticed an ancient lich
423781 | Zig:8    | Noticed an ancient lich
423781 | Zig:8    | Killed a dread lich
423781 | Zig:8    | Killed an ancient lich
423782 | Zig:8    | Killed a dread lich
423782 | Zig:8    | Killed a dread lich
423782 | Zig:8    | Killed an ancient lich
423782 | Zig:8    | Killed an ancient lich
423782 | Zig:8    | Killed a dread lich
423782 | Zig:8    | Killed an ancient lich
423782 | Zig:8    | Killed an ancient lich
423782 | Zig:8    | Killed a dread lich
423782 | Zig:8    | Killed a dread lich
423783 | Zig:8    | Noticed a dread lich
423783 | Zig:8    | Killed an ancient lich
423783 | Zig:8    | Killed an ancient lich
423785 | Zig:8    | Killed an ancient lich
423785 | Zig:8    | Killed a dread lich
423785 | Zig:8    | Killed an ancient lich
423982 | Zig:8    | Identified the +5 arbalest of Yredelemnul {drain, rF+ rCorr
                  | Str-3}
424006 | Zig:8    | Identified the amulet "Okaog" {Reflect rC+ Regen+ Int+4
                  | SH+5}
424047 | Zig:9    | Entered Level 9 of a ziggurat
424047 | Zig:9    | Noticed an ancient lich
424047 | Zig:9    | Noticed a dread lich
424047 | Zig:9    | Noticed an ancient lich
424047 | Zig:9    | Noticed an ancient lich
424047 | Zig:9    | Noticed a dread lich
424047 | Zig:9    | Noticed an ancient lich
424047 | Zig:9    | Noticed an ancient lich
424047 | Zig:9    | Noticed an ancient lich
424047 | Zig:9    | Noticed a dread lich
424047 | Zig:9    | Noticed an ancient lich
424047 | Zig:9    | Noticed an ancient lich
424047 | Zig:9    | Noticed a dread lich
424047 | Zig:9    | Noticed a dread lich
424047 | Zig:9    | Noticed a dread lich
424047 | Zig:9    | Noticed an ancient lich
424048 | Zig:9    | Killed a dread lich
424048 | Zig:9    | Killed an ancient lich
424048 | Zig:9    | Killed an ancient lich
424048 | Zig:9    | Killed an ancient lich
424048 | Zig:9    | Killed an ancient lich
424048 | Zig:9    | Killed an ancient lich
424048 | Zig:9    | Killed a dread lich
424048 | Zig:9    | Killed an ancient lich
424048 | Zig:9    | Killed a dread lich
424048 | Zig:9    | Killed a dread lich
424049 | Zig:9    | Noticed an ancient lich
424049 | Zig:9    | Noticed an ancient lich
424049 | Zig:9    | Noticed an ancient lich
424050 | Zig:9    | Noticed a dread lich
424050 | Zig:9    | Noticed a dread lich
424050 | Zig:9    | Noticed an ancient lich
424051 | Zig:9    | Noticed a dread lich
424052 | Zig:9    | Noticed a dread lich
424052 | Zig:9    | Noticed an ancient lich
424052 | Zig:9    | Noticed a dread lich
424052 | Zig:9    | Noticed a dread lich
424052 | Zig:9    | Noticed a dread lich
424053 | Zig:9    | Noticed an ancient lich
424053 | Zig:9    | Killed an ancient lich
424053 | Zig:9    | Killed a dread lich
424053 | Zig:9    | Killed a dread lich
424053 | Zig:9    | Killed an ancient lich
424053 | Zig:9    | Killed a dread lich
424053 | Zig:9    | Killed a dread lich
424053 | Zig:9    | Killed an ancient lich
424053 | Zig:9    | Killed an ancient lich
424053 | Zig:9    | Killed an ancient lich
424053 | Zig:9    | Killed an ancient lich
424053 | Zig:9    | Killed an ancient lich
424053 | Zig:9    | Killed a dread lich
424053 | Zig:9    | Killed a dread lich
424054 | Zig:9    | Noticed an ancient lich
424055 | Zig:9    | Noticed a dread lich
424057 | Zig:9    | Noticed a dread lich
424057 | Zig:9    | Killed a dread lich
424058 | Zig:9    | Killed an ancient lich
424059 | Zig:9    | Killed a dread lich
424059 | Zig:9    | Killed a dread lich
424060 | Zig:9    | Killed an ancient lich
424060 | Zig:9    | Killed a dread lich
424060 | Zig:9    | Killed an ancient lich
424061 | Zig:9    | Killed a dread lich
424130 | Zig:9    | Identified the staff of conjuration "Juesofua" {rElec rCorr
                  | Str-3 Int+9}
424132 | Zig:9    | Identified the +9 mace of Riodd {antimagic, rElec}
424144 | Zig:9    | Identified the +2 robe of Hedging {Archmagi}
424146 | Zig:9    | Identified the +7 great mace of Conflict {flame, Int+4 SInv
                  | Stlth-}
424460 | Zig:10   | Entered Level 10 of a ziggurat
424741 | Zig:10   | Identified the amulet "Sairchauc" {Faith Stlth+}
424758 | Zig:10   | Identified the +9 battleaxe of Bugov {venom, Will+ Str+2}
424798 | Zig:11   | Entered Level 11 of a ziggurat
424814 | Zig:11   | Noticed Zyp Qia the pandemonium lord
424820 | Zig:11   | Killed Zyp Qia the pandemonium lord
425134 | Zig:11   | Identified the +2 robe of the Hippo {rF+ Archmagi}
425235 | Zig:11   | Identified the +2 mace of the Baking Gods {spect, rN++
                  | rCorr}
425238 | Zig:11   | Identified the +1 pair of boots "Gissonim" {Will+ Str+3
                  | Stlth+}
425280 | Zig:11   | Identified the +1 robe of Resilience {rCorr Dex+6}
425300 | Zig:12   | Entered Level 12 of a ziggurat
425611 | Zig:12   | Identified the ring "Finwyalib" {rPois rF+ rC+ Str-5 Int+2}
425618 | Zig:12   | Identified the amulet "Obbac" {rPois Regen+ Str+2}
425627 | Zig:12   | Identified the staff of fire "Zinka" {*Corrode rF+ rN++
                  | Int+9 SInv}
425635 | Zig:12   | Identified the ring "Leleck" {rPois Str+2}
425649 | Zig:12   | Identified the +8 shortbow of Arrival {heavy, rPois rN+}
425700 | Zig:13   | Entered Level 13 of a ziggurat
425700 | Zig:13   | Noticed an ancient lich
425700 | Zig:13   | Noticed a dread lich
425700 | Zig:13   | Noticed an ancient lich
425700 | Zig:13   | Noticed a dread lich
425700 | Zig:13   | Noticed an ancient lich
425700 | Zig:13   | Noticed an ancient lich
425700 | Zig:13   | Noticed an ancient lich
425700 | Zig:13   | Noticed a dread lich
425700 | Zig:13   | Noticed an ancient lich
425701 | Zig:13   | Killed an ancient lich
425701 | Zig:13   | Killed an ancient lich
425701 | Zig:13   | Killed a dread lich
425701 | Zig:13   | Killed an ancient lich
425702 | Zig:13   | Noticed an ancient lich
425703 | Zig:13   | Noticed a dread lich
425703 | Zig:13   | Noticed a dread lich
425705 | Zig:13   | Noticed an ancient lich
425706 | Zig:13   | Noticed an ancient lich
425706 | Zig:13   | Noticed an ancient lich
425706 | Zig:13   | Killed an ancient lich
425707 | Zig:13   | Noticed a dread lich
425709 | Zig:13   | Noticed an ancient lich
425709 | Zig:13   | Noticed an ancient lich
425709 | Zig:13   | Noticed an ancient lich
425709 | Zig:13   | Killed a dread lich
425710 | Zig:13   | Killed an ancient lich
425710 | Zig:13   | Killed an ancient lich
425710 | Zig:13   | Killed an ancient lich
425710 | Zig:13   | Killed a dread lich
425710 | Zig:13   | Killed an ancient lich
425710 | Zig:13   | Killed an ancient lich
425711 | Zig:13   | Killed an ancient lich
425712 | Zig:13   | Noticed a dread lich
425712 | Zig:13   | Noticed an ancient lich
425712 | Zig:13   | Killed a dread lich
425712 | Zig:13   | Killed a dread lich
425713 | Zig:13   | Noticed a dread lich
425713 | Zig:13   | Noticed an ancient lich
425714 | Zig:13   | Killed an ancient lich
425714 | Zig:13   | Killed a dread lich
425714 | Zig:13   | Killed an ancient lich
425714 | Zig:13   | Killed an ancient lich
425716 | Zig:13   | Killed an ancient lich
425716 | Zig:13   | Killed a dread lich
425716 | Zig:13   | Killed an ancient lich
425716 | Zig:13   | Killed a dread lich
425717 | Zig:13   | Identified the +2 arbalest "Jeuxufoc" {elec, rCorr}
425719 | Zig:13   | Identified the ring "Symelyp" {Ice rElec Slay+2}
425815 | Zig:13   | Identified the +9 war axe of Purpose {vamp, rC+ Str-3
                  | Dex+5}
425945 | Zig:13   | Identified the ring of Nyocwe {Wiz rN+ Int+3}
425950 | Zig:13   | Identified the +1 short sword "Plojy" {drain, rElec Dex+5}
425977 | Zig:13   | Identified the +10 war axe "Rotaynoo" {speed, rC+ Int+3}
426017 | Zig:13   | Identified the amulet of the Solstice {Acrobat Int+4
                  | Stlth+}
426173 | Zig:14   | Entered Level 14 of a ziggurat
426552 | Zig:14   | Identified the +5 plate armour of Xetiatz {Dex+3}
426603 | Zig:14   | Identified the +3 plate armour of the Glamorous God {Dex+3}
426635 | Zig:15   | Entered Level 15 of a ziggurat
426635 | Zig:15   | Noticed a royal mummy
426635 | Zig:15   | Noticed a royal mummy
426635 | Zig:15   | Noticed a royal mummy
426635 | Zig:15   | Noticed a royal mummy
426635 | Zig:15   | Noticed a royal mummy
426635 | Zig:15   | Noticed a royal mummy
426635 | Zig:15   | Noticed a royal mummy
426636 | Zig:15   | Killed a royal mummy
426636 | Zig:15   | Killed a royal mummy
426636 | Zig:15   | Killed a royal mummy
426636 | Zig:15   | Killed a royal mummy
426637 | Zig:15   | Noticed a royal mummy
426638 | Zig:15   | Noticed a royal mummy
426638 | Zig:15   | Noticed a royal mummy
426638 | Zig:15   | Noticed a royal mummy
426638 | Zig:15   | Noticed a royal mummy
426638 | Zig:15   | Noticed a royal mummy
426638 | Zig:15   | Noticed a royal mummy
426639 | Zig:15   | Noticed a royal mummy
426639 | Zig:15   | Noticed a royal mummy
426640 | Zig:15   | Noticed a royal mummy
426640 | Zig:15   | Noticed a royal mummy
426640 | Zig:15   | Noticed a royal mummy
426640 | Zig:15   | Noticed a royal mummy
426640 | Zig:15   | Killed a royal mummy
426641 | Zig:15   | Killed a royal mummy
426643 | Zig:15   | Killed a royal mummy
426643 | Zig:15   | Killed a royal mummy
426644 | Zig:15   | Noticed a royal mummy
426644 | Zig:15   | Noticed a royal mummy
426644 | Zig:15   | Noticed a royal mummy
426644 | Zig:15   | Noticed a royal mummy
426644 | Zig:15   | Noticed a royal mummy
426644 | Zig:15   | Noticed a royal mummy
426645 | Zig:15   | Noticed a royal mummy
426645 | Zig:15   | Noticed a royal mummy
426646 | Zig:15   | Killed a royal mummy
426646 | Zig:15   | Killed a royal mummy
426646 | Zig:15   | Killed a royal mummy
426646 | Zig:15   | Killed a royal mummy
426646 | Zig:15   | Killed a royal mummy
426646 | Zig:15   | Killed a royal mummy
426646 | Zig:15   | Killed a royal mummy
426646 | Zig:15   | Killed a royal mummy
426646 | Zig:15   | Killed a royal mummy
426646 | Zig:15   | Killed a royal mummy
426648 | Zig:15   | Killed a royal mummy
426648 | Zig:15   | Killed a royal mummy
426648 | Zig:15   | Killed a royal mummy
426648 | Zig:15   | Killed a royal mummy
426648 | Zig:15   | Killed a royal mummy
426648 | Zig:15   | Killed a royal mummy
426648 | Zig:15   | Killed a royal mummy
426648 | Zig:15   | Killed a royal mummy
426648 | Zig:15   | Killed a royal mummy
426649 | Zig:15   | Noticed a royal mummy
426649 | Zig:15   | Noticed a royal mummy
426649 | Zig:15   | Noticed a royal mummy
426649 | Zig:15   | Killed a royal mummy
426650 | Zig:15   | Noticed a royal mummy
426651 | Zig:15   | Noticed a royal mummy
426653 | Zig:15   | Noticed a royal mummy
426653 | Zig:15   | Noticed a royal mummy
426655 | Zig:15   | Killed a royal mummy
426656 | Zig:15   | Killed a royal mummy
426658 | Zig:15   | Killed a royal mummy
426658 | Zig:15   | Killed a royal mummy
426658 | Zig:15   | Killed a royal mummy
426660 | Zig:15   | Killed a royal mummy
426661 | Zig:15   | Killed a royal mummy
426663 | Zig:15   | Identified the staff of death "Ceiblen" {rN+ Str-4 Int+5}
426726 | Zig:15   | Identified the ring of Ashu {Wiz +Blink Will++ Dex+4}
426732 | Zig:15   | Identified the ring "Wod Luh" {Ice Will+ rCorr Dex+3}
426736 | Zig:15   | Identified the ring of Wu Jian's Envy {EV+5 Dex+3}
426778 | Zig:15   | Identified the staff of fire "Echiac" {rF+ Int+3}
426799 | Zig:15   | Identified the +0 helmet of the Desolation of Salt {-Cast
                  | rPois rN+ Dex+3}
426805 | Zig:15   | Identified the +4 war axe "Guwoqot" {venom, rF- Will+ Str+7
                  | Stlth-}
426822 | Zig:15   | Identified the ring "Uskiaqab" {Will++ AC+4}
427003 | Zig:16   | Entered Level 16 of a ziggurat
427003 | Zig:16   | Noticed an ancient lich
427003 | Zig:16   | Noticed a dread lich
427003 | Zig:16   | Noticed an ancient lich
427003 | Zig:16   | Noticed an ancient lich
427003 | Zig:16   | Noticed a dread lich
427003 | Zig:16   | Noticed an ancient lich
427003 | Zig:16   | Noticed a dread lich
427003 | Zig:16   | Noticed a dread lich
427003 | Zig:16   | Noticed a dread lich
427003 | Zig:16   | Noticed a dread lich
427003 | Zig:16   | Noticed a dread lich
427003 | Zig:16   | Noticed an ancient lich
427003 | Zig:16   | Noticed an ancient lich
427003 | Zig:16   | Noticed a dread lich
427003 | Zig:16   | Noticed an ancient lich
427003 | Zig:16   | Noticed an ancient lich
427004 | Zig:16   | Killed an ancient lich
427004 | Zig:16   | Killed an ancient lich
427004 | Zig:16   | Killed a dread lich
427004 | Zig:16   | Killed a dread lich
427004 | Zig:16   | Killed a dread lich
427004 | Zig:16   | Killed a dread lich
427004 | Zig:16   | Killed a dread lich
427004 | Zig:16   | Killed an ancient lich
427004 | Zig:16   | Killed an ancient lich
427005 | Zig:16   | Killed an ancient lich
427005 | Zig:16   | Killed a dread lich
427005 | Zig:16   | Killed an ancient lich
427005 | Zig:16   | Killed a dread lich
427005 | Zig:16   | Killed an ancient lich
427005 | Zig:16   | Killed an ancient lich
427005 | Zig:16   | Killed a dread lich
427005 | Zig:16   | Noticed a dread lich
427006 | Zig:16   | Noticed an ancient lich
427007 | Zig:16   | Noticed an ancient lich
427008 | Zig:16   | Noticed an ancient lich
427008 | Zig:16   | Noticed an ancient lich
427009 | Zig:16   | Noticed an ancient lich
427009 | Zig:16   | Noticed a dread lich
427009 | Zig:16   | Noticed an ancient lich
427009 | Zig:16   | Noticed a dread lich
427010 | Zig:16   | Noticed an ancient lich
427010 | Zig:16   | Noticed a dread lich
427010 | Zig:16   | Noticed a dread lich
427011 | Zig:16   | Noticed a dread lich
427011 | Zig:16   | Noticed a dread lich
427011 | Zig:16   | Noticed an ancient lich
427012 | Zig:16   | Killed an ancient lich
427012 | Zig:16   | Killed an ancient lich
427013 | Zig:16   | Noticed a dread lich
427013 | Zig:16   | Killed a dread lich
427013 | Zig:16   | Killed an ancient lich
427013 | Zig:16   | Killed a dread lich
427013 | Zig:16   | Killed a dread lich
427013 | Zig:16   | Killed a dread lich
427013 | Zig:16   | Killed a dread lich
427013 | Zig:16   | Killed a dread lich
427013 | Zig:16   | Killed an ancient lich
427013 | Zig:16   | Killed an ancient lich
427013 | Zig:16   | Killed an ancient lich
427013 | Zig:16   | Killed an ancient lich
427013 | Zig:16   | Noticed an ancient lich
427014 | Zig:16   | Killed an ancient lich
427014 | Zig:16   | Killed a dread lich
427014 | Zig:16   | Killed a dread lich
427014 | Zig:16   | Killed an ancient lich
427015 | Zig:16   | Noticed an ancient lich
427016 | Zig:16   | Noticed a dread lich
427016 | Zig:16   | Noticed an ancient lich
427017 | Zig:16   | Noticed an ancient lich
427018 | Zig:16   | Noticed a dread lich
427018 | Zig:16   | Killed an ancient lich
427018 | Zig:16   | Killed an ancient lich
427018 | Zig:16   | Killed an ancient lich
427019 | Zig:16   | Killed a dread lich
427019 | Zig:16   | Killed a dread lich
427319 | Zig:16   | Identified the staff of conjuration "Feakanus" {rF+ Str-4
                  | Dex+2}
427370 | Zig:16   | Identified the +1 spear of the Special Xalams {heavy, Will+
                  | Str+3 Dex+3}
427386 | Zig:16   | Identified the +5 longbow of Wyrd {elec, Fragile Will++
                  | rCorr Stlth+}
427402 | Zig:16   | Identified the +1 robe of Kiec {Fly}
427434 | Zig:16   | Identified the +1 chain mail "Tiupeoga" {-Tele Rampage
                  | rF+++ Regen+}
427436 | Zig:16   | Identified the staff of cold "Zysi" {Drain +Blink rPois rC+
                  | Dex+4}
427440 | Zig:16   | Identified the +8 triple crossbow "Niyck" {drain, rPois rF+
                  | Str+6 Dex+2}
427474 | Zig:17   | Entered Level 17 of a ziggurat
427474 | Zig:17   | Noticed a dread lich
427474 | Zig:17   | Noticed an ancient lich
427474 | Zig:17   | Noticed an ancient lich
427474 | Zig:17   | Noticed a dread lich
427474 | Zig:17   | Noticed an ancient lich
427474 | Zig:17   | Noticed an ancient lich
427474 | Zig:17   | Noticed a dread lich
427474 | Zig:17   | Noticed a dread lich
427474 | Zig:17   | Noticed an ancient lich
427474 | Zig:17   | Noticed an ancient lich
427474 | Zig:17   | Noticed an ancient lich
427474 | Zig:17   | Noticed a dread lich
427474 | Zig:17   | Noticed an ancient lich
427474 | Zig:17   | Noticed an ancient lich
427474 | Zig:17   | Noticed a dread lich
427474 | Zig:17   | Noticed an ancient lich
427475 | Zig:17   | Killed an ancient lich
427475 | Zig:17   | Killed an ancient lich
427475 | Zig:17   | Killed a dread lich
427475 | Zig:17   | Killed an ancient lich
427475 | Zig:17   | Killed a dread lich
427475 | Zig:17   | Killed an ancient lich
427475 | Zig:17   | Killed an ancient lich
427475 | Zig:17   | Killed an ancient lich
427475 | Zig:17   | Killed an ancient lich
427476 | Zig:17   | Killed a dread lich
427476 | Zig:17   | Killed an ancient lich
427476 | Zig:17   | Killed a dread lich
427476 | Zig:17   | Killed an ancient lich
427476 | Zig:17   | Killed an ancient lich
427476 | Zig:17   | Killed a dread lich
427476 | Zig:17   | Killed a dread lich
427476 | Zig:17   | Noticed an ancient lich
427478 | Zig:17   | Noticed a dread lich
427478 | Zig:17   | Noticed a dread lich
427478 | Zig:17   | Noticed a dread lich
427478 | Zig:17   | Noticed a dread lich
427478 | Zig:17   | Noticed a dread lich
427479 | Zig:17   | Noticed an ancient lich
427480 | Zig:17   | Noticed a dread lich
427480 | Zig:17   | Noticed a dread lich
427480 | Zig:17   | Noticed an ancient lich
427481 | Zig:17   | Noticed an ancient lich
427481 | Zig:17   | Noticed an ancient lich
427482 | Zig:17   | Noticed an ancient lich
427483 | Zig:17   | Noticed a dread lich
427483 | Zig:17   | Killed a dread lich
427483 | Zig:17   | Killed a dread lich
427483 | Zig:17   | Killed a dread lich
427483 | Zig:17   | Killed a dread lich
427483 | Zig:17   | Killed a dread lich
427483 | Zig:17   | Killed a dread lich
427483 | Zig:17   | Killed an ancient lich
427484 | Zig:17   | Noticed a dread lich
427484 | Zig:17   | Killed an ancient lich
427484 | Zig:17   | Killed an ancient lich
427484 | Zig:17   | Killed a dread lich
427484 | Zig:17   | Killed an ancient lich
427485 | Zig:17   | Noticed an ancient lich
427485 | Zig:17   | Noticed an ancient lich
427485 | Zig:17   | Noticed a dread lich
427485 | Zig:17   | Noticed an ancient lich
427486 | Zig:17   | Noticed an ancient lich
427486 | Zig:17   | Noticed an ancient lich
427487 | Zig:17   | Noticed an ancient lich
427488 | Zig:17   | Noticed a dread lich
427489 | Zig:17   | Killed an ancient lich
427489 | Zig:17   | Killed an ancient lich
427489 | Zig:17   | Killed a dread lich
427489 | Zig:17   | Killed an ancient lich
427489 | Zig:17   | Killed an ancient lich
427489 | Zig:17   | Killed a dread lich
427489 | Zig:17   | Killed an ancient lich
427490 | Zig:17   | Killed an ancient lich
427490 | Zig:17   | Killed a dread lich
427490 | Zig:17   | Killed a dread lich
427490 | Zig:17   | Noticed an ancient lich
427492 | Zig:17   | Killed an ancient lich
427496 | Zig:17   | Noticed an ancient lich
427496 | Zig:17   | Killed an ancient lich
427498 | Zig:17   | Killed an ancient lich
427498 | Zig:17   | Killed an ancient lich
427623 | Zig:17   | Identified the amulet "Cehot" {Faith Harm Fragile rPois
                  | Str+5}
427726 | Zig:17   | Identified the ring of Free Expression {rF+ Stlth+}
427727 | Zig:17   | Identified the ring "Xamu" {Will++ Slay+2 SInv}
427736 | Zig:17   | Identified the staff of conjuration "Fonatit" {rCorr SInv}
428068 | Zig:17   | Identified the +6 short sword of Qazlal, Riding {speed,
                  | Int+3 Dex+2 Stlth+}
428121 | Zig:18   | Entered Level 18 of a ziggurat
428536 | Zig:18   | Identified the +7 morningstar "Impbane" {venom, Str+2}
428538 | Zig:18   | Identified the staff of earth "Ypaniumy" {rPois rC+}
428556 | Zig:18   | Identified the +10 chain mail "Plog" {rC+ rCorr Dex+2}
428585 | Zig:18   | Identified the ring "Mumitiph" {rCorr Int+3}
428614 | Zig:18   | Identified the +0 falchion "Killer Bee's Doom" {heavy,
                  | Fragile rPois rC+++ SInv}
428615 | Zig:18   | Identified the staff of cold "Ucvofot" {+Blink rC+ Int+3}
428631 | Zig:18   | Identified the +1 swamp dragon scales of the Catamount
                  | {rPois Str+3}
428643 | Zig:19   | Entered Level 19 of a ziggurat
428661 | Zig:19   | Identified the +3 glaive "Undertaker" {freeze, rPois rCorr
                  | Str+2 Int+2}
428680 | Zig:19   | Identified the +11 scale mail of Starshine {Int+3}
428738 | Zig:19   | Identified the staff of cold "Qerekerch" {rF++ rC+ Str-5
                  | Dex+4 Stlth+}
428750 | Zig:19   | Identified the +3 plate armour of the Mordant God {-Cast
                  | Harm +Inv SInv}
428775 | Zig:19   | Identified the staff of poison "Doahoat" {rElec rPois rF+
                  | Dex+7}
428794 | Zig:19   | Identified the staff of death "Jim Aduc" {rF+ rC+ rN+
                  | Int+3}
428830 | Zig:19   | Identified the +7 shortbow of Yredelemnul, Conjuring
                  | {heavy, rF+ Dex+4 Stlth-}
428843 | Zig:19   | Identified the staff of fire "Abont" {rF+ rN+}
428858 | Zig:19   | Identified the +8 spear of the Lost Orbs {venom, rF+ Will+
                  | Str+3}
428882 | Zig:19   | Identified the ring of Eseorim {Ice Dex+6}
429106 | Zig:19   | Identified the staff of fire "Retty" {rF+ rN+ Str+2 Int+3}
429108 | Zig:19   | Identified the +2 quick blade "Demonspawn's Curse" {venom,
                  | rPois Str+3}
429117 | Zig:19   | Identified the +0 flail of the Invisible Ghosts {speed, rC-
                  | Str+9}
429118 | Zig:19   | Identified the staff of fire "Qama" {Fly rF+ rN+ Int+2
                  | Dex-4}
429126 | Zig:19   | Identified the +7 sling of the Hurtling Gods {flame, rElec
                  | rPois Will++ Int-4}
429140 | Zig:20   | Entered Level 20 of a ziggurat
429490 | Zig:20   | Identified the staff of conjuration "Ocizerch" {rN+++ Will+
                  | rCorr Dex-5}
429491 | Zig:20   | Identified the staff of air "Ekkupp" {*Slow rElec rN+
                  | Dex+6}
429509 | Zig:20   | Identified the staff of conjuration "Viytiab" {rF+ Dex+2}
429657 | Zig:20   | Identified the +0 morningstar of Dried Tears {drain, rPois
                  | rC+ Will+ Int+2}
429666 | Zig:20   | Identified the ring of Pevighuc {rC+ rCorr MP+9 Slay+4}
429693 | Zig:20   | Identified the +9 rapier of Hoom {speed, rElec rF- Str+2
                  | Int+8}
429694 | Zig:20   | Identified the staff of conjuration "Huet" {*Slow rElec
                  | rPois Will+++ rCorr}
429730 | Zig:20   | Identified the +0 robe of Watchfulness {rF- Str+3 Archmagi}
429734 | Zig:20   | Identified the ring of Ephemeral Luck {Contam rF++ Will+
                  | SInv}
429737 | Zig:20   | Identified the staff of fire "Gaaptun" {Drain rF+ rC+++
                  | rN+++ Dex-2}
429787 | Zig:21   | Entered Level 21 of a ziggurat
429837 | Zig:21   | Noticed Ythrat Ciash the pandemonium lord
429838 | Zig:21   | Killed Ythrat Ciash the pandemonium lord
430006 | Zig:21   | Identified the staff of death "Fomit" {Fly rPois rC- rN+}
430007 | Zig:21   | Identified the +5 hand axe "Ryasoqadghe" {freeze, Str+3
                  | Int+4}
430010 | Zig:21   | Identified the +10 morningstar "Foyl" {speed, Int+4}
430020 | Zig:21   | Identified the amulet "Opsiovua" {RegenMP Drain rF+++ rCorr
                  | Dex+2}
430026 | Zig:21   | Identified the +8 battleaxe "Jellyslayer" {heavy, rCorr
                  | Str-5 Int+3 Dex+5}
430027 | Zig:21   | Identified the +6 arbalest of Inviting Woe {elec, *Corrode
                  | Will++ Str+8 Int-4}
430396 | Zig:21   | Identified the +4 dagger of Slow Death {heavy, rPois}
430402 | Zig:21   | Identified the +0 pair of boots of the Doldrums {rC++}
430408 | Zig:21   | Acquired 679 gold pieces
430410 | Zig:21   | Acquired 1042 gold pieces
430411 | Zig:21   | Acquired 743 gold pieces
430412 | Zig:21   | Acquired 625 gold pieces
430413 | Zig:21   | Acquired 444 gold pieces
430414 | Zig:21   | Acquired 398 gold pieces
430415 | Zig:21   | Acquired 605 gold pieces
430416 | Zig:21   | Acquired 614 gold pieces
430417 | Zig:21   | Acquired 449 gold pieces
430418 | Zig:21   | Acquired 346 gold pieces
430419 | Zig:21   | Acquired 1120 gold pieces
430420 | Zig:21   | Acquired 770 gold pieces
430421 | Zig:21   | Acquired 1204 gold pieces
430422 | Zig:21   | Acquired 423 gold pieces
430423 | Zig:21   | Acquired 1008 gold pieces
430424 | Zig:21   | Acquired 731 gold pieces
430425 | Zig:21   | Acquired 1115 gold pieces
430426 | Zig:21   | Acquired 778 gold pieces
430442 | Zig:22   | Entered Level 22 of a ziggurat
430625 | Zig:22   | Identified the ring "Vodola" {rPois rF+++ Will+++ rCorr
                  | Int-4}
430627 | Zig:22   | Identified the ring "Sylo" {Fire +Blink rN+++ Will- rCorr}
430628 | Zig:22   | Identified the +3 battleaxe of the Weasel {pain, Fragile
                  | rElec rC+}
430632 | Zig:22   | Acquired 788 gold pieces
430649 | Zig:22   | Identified the +8 glaive of Cieh {antimagic, +Blink rF+
                  | Will-}
430651 | Zig:22   | Identified the +8 shortbow of Moaklul {speed, Dex+5 SInv}
430658 | Zig:22   | Identified the amulet of Milevun {Spirit rPois rC+ Regen+
                  | Int-2}
430665 | Zig:22   | Identified the +0 scale mail "Iforch" {rF+}
430961 | Zig:22   | Identified the ring "Adyci" {Ice SInv}
430964 | Zig:22   | Identified the +11 dagger of Souhuekk {vamp, Fly rF- rN++
                  | Int+4}
430974 | Zig:22   | Identified the +6 rapier "Uheigi" {antimagic, rElec}
430981 | Zig:22   | Identified the staff of conjuration "Orar" {rCorr Int+3}
430982 | Zig:22   | Identified the +1 sling of Duty {flame, Stlth+}
431005 | Zig:22   | Identified the -2 cloak "Feneyk" {MP-9 Str+4 Int+2 Dex+4}
431007 | Zig:22   | Identified the +0 pair of boots of Akyfug {Dex+3}
431135 | Zig:23   | Entered Level 23 of a ziggurat
431169 | Zig:23   | Identified the staff of poison "Liulucuc" {Fragile rPois
                  | rN+ Int+8 Dex-3}
431174 | Zig:23   | Identified the +11 spear "Taul Decvy" {heavy, Int+5}
431287 | Zig:23   | Identified the +7 sling of Cekhits {speed, +Blink rC+ rN+++
                  | Int-3}
431302 | Zig:23   | Identified the +1 dagger "Murmur" {spect, Fly rC+++ Will-
                  | Int+6}
431306 | Zig:23   | Identified the +5 ring mail "Qojouk" {-Cast Harm Str+4}
431309 | Zig:23   | Identified the +2 eveningstar of Wounding {heavy, rF+ rCorr
                  | Str+2}
431315 | Zig:23   | Identified the ring of the Baleful God {Fly rElec rF+
                  | Will++ Dex-2 Stlth+}
431326 | Zig:23   | Identified the staff of cold "Viav" {rElec rC+ rN+++ Str+3
                  | Dex-5}
431331 | Zig:23   | Identified the +6 sling of Abomination {antimagic, rElec
                  | rC- rCorr}
431333 | Zig:23   | Identified the staff of air "Weilekk" {rElec rN+ Will-
                  | Dex+4}
431349 | Zig:23   | Identified the +4 triple crossbow of Ucurr {penet, rPois
                  | rN+ Str-4 Int+4}
431371 | Zig:23   | Identified the ring of Vehumet's Indignation {Fly Dex+2
                  | Stlth+}
431377 | Zig:23   | Identified the staff of cold "Duusmuq" {rC+ rN+ Str-5 SInv}
431413 | Zig:23   | Identified the +7 dagger of Impermanence {freeze, rC- Will-
                  | MP+9 Str+4}
431425 | Zig:23   | Identified the +4 glaive "Beetle's Death Toll" {heavy, Fly
                  | rPois rN+ rCorr}
431505 | Zig:23   | Identified the staff of fire "Siosi" {rPois rF+ rN+ Int+4}
431522 | Zig:23   | Identified the +0 shortbow "Iwaqizi" {freeze, MP+9 Int+4}
431925 | Zig:24   | Entered Level 24 of a ziggurat
431925 | Zig:24   | Identified the +1 tower shield of Isyups {rElec Regen+
                  | MP+9}
431927 | Zig:24   | Identified the +4 tower shield of Iniuqif {Contam Harm
                  | Dex+4}
431927 | Zig:24   | Identified the +0 tower shield of the Bells {Str+2}
431932 | Zig:24   | Identified the +8 tower shield of Amorality {Fly rElec
                  | Dex+3}
431932 | Zig:24   | Identified the +0 tower shield of Ru, Muttering {Stlth+}
431939 | Zig:24   | Identified the +0 tower shield of the Lute {Int+4 Slay-4}
431940 | Zig:24   | Identified the +0 tower shield of Plasticity {Stlth+}
431942 | Zig:24   | Identified the +6 tower shield of Masochism {rElec rF+
                  | Str+3 Int+4}
431944 | Zig:24   | Identified the +0 tower shield of the Meager Hot Ocelot
                  | {*Slow rF+ rC+ Str+4}
431944 | Zig:24   | Identified the +12 tower shield "Godesa" {rPois rCorr
                  | Str+2}
431952 | Zig:24   | Identified the +0 tower shield "Idwitash" {Fly rN+ Regen+
                  | Str-3}
431953 | Zig:24   | Identified the +1 tower shield of Fun and Games {rC+ Int+5}
432458 | Zig:24   | Identified the +5 tower shield "Soetuh" {Str+2} (You took
                  | it off a daeva on level 24 of a ziggurat)
432509 | Zig:24   | Identified the +2 sling of the Slashing Enemy {flame,
                  | Fragile rElec rN+++ Stlth-}
432511 | Zig:24   | Identified the +9 rapier "Oschoiga" {vamp, rElec rF++ rCorr
                  | Dex-5}
432512 | Zig:24   | Identified the +3 rapier of the Curses {freeze, *Rage rF++
                  | Will++}
432514 | Zig:24   | Identified the ring of Jymn {Will+ rCorr Slay+3}
432516 | Zig:24   | Identified the ring "Wineishropa" {rF+ EV+5 Stlth+}
432615 | Zig:24   | Identified the +0 arbalest of Varote {antimagic, Int+2}
432621 | Zig:24   | Identified the +10 plate armour "Xuec" {Will+ rCorr Int+3}
432627 | Zig:24   | Identified the ring of Vonto {rPois rF+ rC- Dex+3}
432721 | Zig:25   | Entered Level 25 of a ziggurat
432755 | Zig:25   | Noticed Taplerhy the pandemonium lord
432758 | Zig:25   | Killed Taplerhy the pandemonium lord
432961 | Zig:25   | Identified the staff of cold "Bulo" {Fragile rF+ rC+ Dex+3}
432962 | Zig:25   | Identified the +2 trident of a Gauntlet {heavy, rC+ Dex+2}
432967 | Zig:25   | Identified the +4 flail "Transmigrator" {flame, rC+}
432968 | Zig:25   | Identified the +3 war axe of the Threshing Gods {elec,
                  | Dex+6}
432976 | Zig:25   | Identified the ring "Ogod" {rF++ Will- EV+5 Int+3}
432986 | Zig:25   | Identified the staff of earth "Nuicomp" {rCorr Str+5 Dex+3}
432999 | Zig:25   | Identified the staff of cold "Supucwis" {rElec rPois rC+
                  | rCorr Stlth-}
433004 | Zig:25   | Identified the staff of fire "Ceptidut" {rElec rF+ rC+
                  | rCorr}
433027 | Zig:25   | Identified the +5 spear "Qiad" {spect, rElec}
433032 | Zig:25   | Identified the +5 scimitar "Tyegakh" {speed, Fragile Int+2
                  | Dex+5}
433033 | Zig:25   | Identified the +1 dagger "Roar" {venom, rPois rCorr Str+2
                  | Dex-5}
433394 | Zig:25   | Identified the +3 scale mail "Kongiawu" {Dex+2}
433408 | Zig:26   | Entered Level 26 of a ziggurat
433432 | Zig:26   | Identified the ring "Cyrpherar" {rF++ Dex+6}
433436 | Zig:26   | Identified the staff of earth "Vamnaosa" {rC+}
433442 | Zig:26   | Identified the ring "Loichittigh" {rC- AC+4 Slay+2 Stlth+}
433831 | Zig:26   | Identified the +4 scale mail of Discretion {rF- Regen+
                  | Int-3 Dex+5}
433833 | Zig:26   | Identified the +8 shortbow "Dicadim" {freeze, Stlth+}
433841 | Zig:26   | Identified the ring "Jojuruag" {+Blink rCorr Str-5 Dex+6
                  | Slay+4}
433849 | Zig:26   | Identified the +1 buckler "Sabaic" {-Tele rN+ Dex+4}
433903 | Zig:26   | Identified the +4 chain mail of Haloc {rN+ Will+ Str+3
                  | Dex+3}
433922 | Zig:26   | Identified the +0 robe of the Salmon {Harm Stlth+}
433929 | Zig:26   | Identified the ring "Rethimippi" {rN+ Str+3 Int+6}
433947 | Zig:26   | Identified the ring of Gagys {rC+++ rN+ Int+8 Dex-4}
433976 | Zig:26   | Identified the +1 plate armour of Mutualism {Slay+2}
433985 | Zig:26   | Identified the +3 falchion "Ycih" {freeze, *Corrode Str+6}
433997 | Zig:26   | Identified the +1 flail "Myong" {heavy, Int+5}
434001 | Zig:26   | Identified the +3 falchion of Xail {vamp, Int+6 SInv
                  | Stlth-}
434007 | Zig:26   | Identified the +2 ring mail of the Meager Stag {rPois}
434012 | Zig:26   | Identified the +1 spear "Embalmer" {flame, Fly rC++ MP-9
                  | Int+2}
434014 | Zig:26   | Identified the staff of air "Kyseeclank" {rElec rC++
                  | Stlth+}
434027 | Zig:26   | Identified the +0 leather armour of the Hot Ocelot {+Blink
                  | Int+3}
434030 | Zig:26   | Identified the amulet "Machawyt" {Spirit Fly rF+++ rCorr
                  | Int-3}
434050 | Zig:26   | Identified the +6 scale mail of Intercession {rF++ Str+3
                  | Stlth+}
434150 | Zig:27   | Entered Level 27 of a ziggurat
434191 | Zig:27   | Identified the +6 halberd of the Foremost Eyes {freeze,
                  | rElec rC++ rN+ Int+2}
434324 | Zig:27   | Identified the ring "Vistof" {MP+9 EV+5 Int+5 Slay-4
                  | Stlth+}
434328 | Zig:27   | Identified the +8 rapier of Helucs {drain, Will+ Dex+6}
434333 | Zig:27   | Identified the ring of Ryet Nig {rPois rC+ rN+ Str+4}
434334 | Zig:27   | Identified the +0 pair of boots of Gravity {rPois rC++
                  | Regen+ Dex-2}
434355 | Zig:27   | Identified the +2 arbalest "Suapel" {speed, rN++ Will++
                  | rCorr}
434366 | Zig:27   | Identified the +5 ring mail of Sif Muna's Scorn {rElec rC++
                  | Will+ Int-4}
434368 | Zig:27   | Identified the +7 morningstar of Fear {protect, Int+3
                  | Dex+6}
434378 | Zig:27   | Identified the +11 glaive of the Establishment {heavy,
                  | Int+2}
434379 | Zig:27   | Identified the staff of air "Ijaulo" {rElec rPois rN+
                  | Str+3}
434382 | Zig:27   | Identified the ring "Jioqics" {Drain rElec rC+ MP+9 Str+3
                  | Int+6}
434383 | Zig:27   | Identified the ring of Mogeonokk {MP+9 Int+3 Dex+2}
434389 | Zig:27   | Identified the staff of cold "Ezuaxzahan" {rC+ Str+2 Int+6
                  | Dex+3 Stlth+}
434390 | Zig:27   | Identified the +1 robe of Servitude {rN+++ Str-4 Stlth+
                  | Archmagi}
434410 | Zig:27   | Identified the ring of Lumyrari {rC- rN+ rCorr Int+2 Dex+2}
434412 | Zig:27   | Identified the ring of Nakkoirgh {Contam rC+ Slay+2 SInv}
434425 | Zig:27   | Identified the ring "Dopywnaz" {Fly EV+5 Str-5 Dex+4
                  | Slay+3}
434427 | Zig:27   | Identified the +10 long sword of Dawn {freeze, +Blink rElec
                  | Stlth-}
434437 | Zig:27   | Identified the +0 ring mail of Eqoskibi {Int+2 Slay+5}
434440 | Zig:27   | Identified the +6 quarterstaff "Sysuytip" {elec, Contam rC+
                  | Int+5}
434442 | Zig:27   | Identified the +10 plate armour of Darkness {Harm Will+
                  | Str-3 Dex+5}
434461 | Zig:27   | Identified the +9 war axe "Fisosh" {heavy, +Blink rF+
                  | Stlth-}
434577 | Zig:27   | Identified the +3 chain mail of the Volcano {Fly rElec rC-
                  | Str+8}
434972 | Zig:1    | Entered Level 1 of a ziggurat
434976 | Zig:1    | Noticed Vekezav the pandemonium lord
434978 | Zig:1    | Killed Vekezav the pandemonium lord
435162 | Zig:2    | Entered Level 2 of a ziggurat
435467 | Zig:3    | Entered Level 3 of a ziggurat
435617 | Zig:3    | Identified the staff of death "Winup" {Fragile rPois rF+
                  | rC- rN+ SInv}
435726 | Zig:4    | Entered Level 4 of a ziggurat
435726 | Zig:4    | Noticed a dread lich
435727 | Zig:4    | Killed a dread lich
435729 | Zig:4    | Noticed a dread lich
435730 | Zig:4    | Noticed an ancient lich
435730 | Zig:4    | Noticed a dread lich
435733 | Zig:4    | Killed an ancient lich
435733 | Zig:4    | Killed a dread lich
435734 | Zig:4    | Killed a dread lich
435952 | Zig:5    | Entered Level 5 of a ziggurat
436088 | Zig:5    | Identified the +0 leather armour of Lust {*Slow rPois rF-
                  | rC+ Int+9}
436123 | Zig:5    | Identified the +4 storm dragon scales of the Northern
                  | Lights {rElec rPois}
436222 | Zig:6    | Entered Level 6 of a ziggurat
436513 | Zig:6    | Identified the +5 hand axe "Qofesuasitz" {flame, rPois
                  | Str-3 Int+2}
436538 | Zig:7    | Entered Level 7 of a ziggurat
436620 | Zig:7    | Identified the +0 helmet of Greed {Harm rElec MP+9 Str-2}
436637 | Zig:7    | Identified the +8 hand axe "Kuvupn Nexa" {spect, *Rage rF+
                  | Int+2}
436660 | Zig:7    | Identified the staff of cold "Jofuac" {rC+ Will++ Dex+3}
436822 | Zig:8    | Entered Level 8 of a ziggurat
437047 | Zig:8    | Identified the ring of Absolutism {Wiz rF+ Int+3 Stlth-}
437073 | Zig:8    | Identified the +6 great sword "Zoilosm" {elec, Dex+2}
437090 | Zig:8    | Identified the +6 long sword of Modexorph {protect, Will+
                  | MP-9 Int+4 Stlth+}
437094 | Zig:8    | Identified the +1 robe "Senouneo" {rCorr Int+2}
437135 | Zig:9    | Entered Level 9 of a ziggurat
437158 | Zig:9    | Paralysed by accursed screaming for 2 turns
437170 | Zig:9    | Paralysed by accursed screaming for 2 turns
437182 | Zig:9    | Paralysed by accursed screaming for 2 turns
437430 | Zig:9    | Identified the +10 morningstar "Widowermaker" {drain, rElec
                  | rC+ Will+ Int-3}
437468 | Zig:9    | Identified the +7 long sword of the Inferno {heavy, *Noise
                  | rPois MP+9 Stlth+}
437480 | Zig:9    | Identified the +1 scale mail "Xuwi" {Will+ Str+4 Int-5}
437600 | Zig:10   | Entered Level 10 of a ziggurat
437600 | Zig:10   | Noticed an ancient lich
437600 | Zig:10   | Noticed an ancient lich
437600 | Zig:10   | Noticed an ancient lich
437601 | Zig:10   | Killed an ancient lich
437601 | Zig:10   | Killed an ancient lich
437603 | Zig:10   | Noticed an ancient lich
437603 | Zig:10   | Killed an ancient lich
437607 | Zig:10   | Noticed a dread lich
437607 | Zig:10   | Noticed a dread lich
437608 | Zig:10   | Noticed an ancient lich
437608 | Zig:10   | Noticed an ancient lich
437609 | Zig:10   | Killed an ancient lich
437610 | Zig:10   | Noticed an ancient lich
437611 | Zig:10   | Killed an ancient lich
437613 | Zig:10   | Killed a dread lich
437613 | Zig:10   | Killed an ancient lich
437613 | Zig:10   | Killed an ancient lich
437615 | Zig:10   | Killed a dread lich
437889 | Zig:10   | Identified the staff of conjuration "Beukk" {rC+ Str-5
                  | Int+4 Dex+2}
437938 | Zig:11   | Entered Level 11 of a ziggurat
438029 | Zig:11   | Identified the +10 mace "Joclino" {drain, Str+5}
438135 | Zig:11   | Identified the +1 plate armour of the Ageless Lies {rF+}
438160 | Zig:11   | Identified the staff of air "Ecwyliot" {rElec rC+ rCorr}
438380 | Zig:12   | Entered Level 12 of a ziggurat
438397 | Zig:12   | Paralysed by accursed screaming for 2 turns
438683 | Zig:12   | Identified the +1 robe of Velueg {+Blink rElec Int+3}
438701 | Zig:12   | Identified the +7 hand crossbow "Xaokis" {penet, Will+ MP+9
                  | Int-5 SInv}
438707 | Zig:12   | Identified the ring of Sophism {rC+ Int+2}
438736 | Zig:12   | Identified the +0 halberd "Eviscerator" {freeze, Str+5
                  | Dex+5}
438742 | Zig:12   | Identified the +5 chain mail of Thoughtfulness {rCorr}
438768 | Zig:12   | Identified the +4 falchion of Yesterday {heavy, +Blink
                  | rPois Dex-2}
438770 | Zig:12   | Identified the +2 hand axe "Worm" {flame, rElec rF- rN+
                  | Str+2}
438803 | Zig:13   | Entered Level 13 of a ziggurat
438909 | Zig:13   | Identified the +4 great mace of the Mind {venom, Will+
                  | Int+3}
438922 | Zig:13   | Identified the +0 triple sword "Wocsowo" {vamp, rPois}
438930 | Zig:13   | Identified the +11 scale mail of Lugonu, Brewing {Str+3}
438934 | Zig:13   | Identified the staff of cold "Xisir" {+Blink rC+ Str+7
                  | Dex-2}
438940 | Zig:13   | Identified the staff of earth "Rafegau" {Int+5 Dex-2
                  | Stlth+}
438958 | Zig:13   | Identified the +2 cloak "Valocris" {rElec rPois}
439182 | Zig:13   | Identified the +10 morningstar of Alulepp {freeze, Drain
                  | rPois Dex+5}
439184 | Zig:13   | Identified the +2 robe "Akky" {rF+}
439214 | Zig:14   | Entered Level 14 of a ziggurat
439468 | Zig:14   | Identified the ring "Cohi" {Fly rC+ rCorr}
439582 | Zig:14   | Identified the amulet "Tyoptec" {Spirit rElec rC+ Will+
                  | Regen+}
439652 | Zig:14   | Identified the +5 leather armour of Jaczooreyke {rElec
                  | rPois}
439687 | Zig:15   | Entered Level 15 of a ziggurat
439711 | Zig:15   | Noticed Riheiwix the pandemonium lord
439726 | Zig:15   | Killed Riheiwix the pandemonium lord
439924 | Zig:15   | Identified the +6 chain mail "Omonn" {Slay+3}
439925 | Zig:15   | Identified the +0 robe of Bitterness {Drain +Inv Int-4
                  | Archmagi}
439926 | Zig:15   | Identified the staff of fire "Nymemiheo" {rPois rF+ rN+}
439929 | Zig:15   | Identified the staff of cold "Iliem" {rC+ Str+3}
439930 | Zig:15   | Identified the +7 dagger of Guilt {pain, *Slow Fly rF+}
439935 | Zig:15   | Identified the +6 quarterstaff of Responsibility {freeze,
                  | rF- Will++ Str+4}
439936 | Zig:15   | Identified the staff of poison "Yxkah" {rPois rC- Dex+7}
439947 | Zig:15   | Identified the staff of air "Bier" {+Blink rElec rC+++ MP+9
                  | Int-4}
439958 | Zig:15   | Identified the ring "Rurioly" {rElec rPois rC++ Str-2
                  | Int+6}
439960 | Zig:15   | Identified the +0 ring mail "Yliliy" {Dex+5 Stlth+}
439961 | Zig:15   | Identified the staff of conjuration "Zose" {rPois rF+++
                  | Will+ Dex-4}
439966 | Zig:15   | Identified the +7 plate armour "Moabul" {Harm Str-3 Int+3}
439967 | Zig:15   | Identified the +0 crystal plate armour of the Weaver {-Cast
                  | rF++ Dex+3 Stlth+}
439975 | Zig:15   | Identified the staff of poison "Hiovof" {rElec rPois rC-
                  | Str-4 SInv}
440198 | Zig:16   | Entered Level 16 of a ziggurat
440198 | Zig:16   | Noticed a royal mummy
440198 | Zig:16   | Noticed a royal mummy
440198 | Zig:16   | Noticed a royal mummy
440198 | Zig:16   | Noticed a royal mummy
440198 | Zig:16   | Noticed a royal mummy
440198 | Zig:16   | Noticed a royal mummy
440198 | Zig:16   | Noticed a royal mummy
440198 | Zig:16   | Noticed a royal mummy
440198 | Zig:16   | Noticed a royal mummy
440199 | Zig:16   | Killed a royal mummy
440199 | Zig:16   | Killed a royal mummy
440199 | Zig:16   | Killed a royal mummy
440199 | Zig:16   | Killed a royal mummy
440199 | Zig:16   | Killed a royal mummy
440199 | Zig:16   | Killed a royal mummy
440199 | Zig:16   | Killed a royal mummy
440200 | Zig:16   | Noticed a royal mummy
440201 | Zig:16   | Noticed a royal mummy
440202 | Zig:16   | Noticed a royal mummy
440202 | Zig:16   | Noticed a royal mummy
440202 | Zig:16   | Noticed a royal mummy
440203 | Zig:16   | Noticed a royal mummy
440203 | Zig:16   | Noticed a royal mummy
440203 | Zig:16   | Killed a royal mummy
440203 | Zig:16   | Noticed a royal mummy
440204 | Zig:16   | Noticed a royal mummy
440204 | Zig:16   | Noticed a royal mummy
440204 | Zig:16   | Noticed a royal mummy
440204 | Zig:16   | Noticed a royal mummy
440204 | Zig:16   | Killed a royal mummy
440204 | Zig:16   | Killed a royal mummy
440205 | Zig:16   | Killed a royal mummy
440205 | Zig:16   | Killed a royal mummy
440205 | Zig:16   | Killed a royal mummy
440205 | Zig:16   | Killed a royal mummy
440205 | Zig:16   | Killed a royal mummy
440205 | Zig:16   | Killed a royal mummy
440205 | Zig:16   | Killed a royal mummy
440205 | Zig:16   | Killed a royal mummy
440205 | Zig:16   | Noticed a royal mummy
440205 | Zig:16   | Noticed a royal mummy
440205 | Zig:16   | Noticed a dread lich
440205 | Zig:16   | Noticed a royal mummy
440206 | Zig:16   | Noticed a royal mummy
440209 | Zig:16   | Noticed a royal mummy
440209 | Zig:16   | Noticed a royal mummy
440210 | Zig:16   | Noticed a royal mummy
440210 | Zig:16   | Noticed a royal mummy
440211 | Zig:16   | Killed a royal mummy
440211 | Zig:16   | Killed a royal mummy
440211 | Zig:16   | Killed a royal mummy
440211 | Zig:16   | Killed a dread lich
440211 | Zig:16   | Killed a royal mummy
440212 | Zig:16   | Killed a royal mummy
440212 | Zig:16   | Killed a royal mummy
440212 | Zig:16   | Killed a royal mummy
440212 | Zig:16   | Killed a royal mummy
440212 | Zig:16   | Killed a royal mummy
440213 | Zig:16   | Noticed a royal mummy
440216 | Zig:16   | Killed a royal mummy
440216 | Zig:16   | Killed a royal mummy
440218 | Zig:16   | Killed a royal mummy
440549 | Zig:16   | Identified the +3 flail "Xiabiw" {venom, +Blink Fly rF- rN+
                  | Int+3}
440584 | Zig:16   | Identified the ring of Ypsex {Wiz rPois rCorr}
440589 | Zig:16   | Identified the ring "Zeytaotiur" {Fire rN++ Will+ Str+3
                  | Dex-4}
440591 | Zig:16   | Identified the staff of earth "Sadeuby" {+Blink rCorr}
440609 | Zig:17   | Entered Level 17 of a ziggurat
440628 | Zig:17   | Identified the staff of conjuration "Zumpiuzyl" {Fly rElec
                  | Dex-4}
440636 | Zig:17   | Identified the +3 ring mail of the Gloaming {Str-4 Dex+5}
440638 | Zig:17   | Identified the +0 great mace of Frustration {protect, rElec
                  | rPois MP-9 Dex+6}
440739 | Zig:17   | Identified the +7 chain mail of the King of the Hill {Harm}
440743 | Zig:17   | Identified the +7 long sword of Trauma {flame, Int+4
                  | Stlth+}
440745 | Zig:17   | Identified the +5 chain mail of Xaclamus {rPois Str+5
                  | Slay+2}
440748 | Zig:17   | Identified the +6 demon blade "Uplymaari" {pain, rElec
                  | Str+3}
440749 | Zig:17   | Identified the amulet of the Lobster {RegenMP rElec Str+2
                  | Dex+5}
440750 | Zig:17   | Identified the staff of conjuration "Jeisici" {rElec rN+
                  | Str+3}
440752 | Zig:17   | Identified the staff of air "Gez Muts" {Drain rElec rC+
                  | Dex+5}
440758 | Zig:17   | Identified the staff of cold "Xinecaf" {rF+ rC+}
440764 | Zig:17   | Identified the +4 troll leather armour of Ophimog {*Corrode
                  | Regen+ Str+3 Dex+3 Stlth+}
440766 | Zig:17   | Identified the staff of earth "Tuuleys" {rElec rPois Int-5
                  | Dex+9}
440818 | Zig:17   | Identified the +1 arbalest "Yteyten" {freeze, Fly}
440822 | Zig:17   | Identified the staff of cold "Fuosi" {rElec rC+ rN++ Will-
                  | Str-2}
440840 | Zig:17   | Identified the +0 leather armour of Evolution {Dex+3}
440855 | Zig:17   | Identified the +9 morningstar "Uttisaso" {heavy, rPois rN+
                  | Int-2}
440904 | Zig:17   | Identified the staff of fire "Bivererch" {rF+ rCorr Dex-3
                  | SInv}
441118 | Zig:17   | Identified the +8 mace "Cerchysi" {drain, rCorr}
441141 | Zig:18   | Entered Level 18 of a ziggurat
441141 | Zig:18   | Noticed a dread lich
441181 | Zig:18   | Noticed an ancient lich
441196 | Abyss:5  | Cast into level 5 of the Abyss (unwielding a weapon of
                  | distortion)
441267 | Abyss:5  | Found a corrupted altar of Lugonu.
441486 | Zig:18   | Escaped the Abyss
441511 | Zig:18   | Killed a dread lich
441512 | Zig:18   | Killed an ancient lich
441812 | Zig:18   | Identified the +5 plate armour of Messut {Rampage}
441825 | Zig:18   | Identified the +1 morningstar "Zoessyor" {flame, rElec rF-
                  | rN++ Dex+2}
441827 | Zig:18   | Identified the +11 dagger of the Final Decision {speed,
                  | Drain rElec rC+++ Dex-2}
441834 | Zig:18   | Identified the ring "Plog" {Wiz Drain rPois MP+9 Str+5}
441837 | Zig:18   | Identified the ring of Teatouhu {*Slow rPois rF+ rN+}
441839 | Zig:18   | Identified the amulet of Acish {RegenMP Rampage Fly MP+9
                  | Dex-3}
441843 | Zig:18   | Identified the staff of air "Ilupocell" {*Corrode rElec
                  | Will+ Str+4 Stlth+}
441917 | Zig:19   | Entered Level 19 of a ziggurat
441939 | Zig:19   | Identified the +6 longbow of Temi {drain, Int+2}
441949 | Zig:19   | Identified the +2 ring mail of Erphig {Harm Rampage SInv}
442039 | Zig:19   | Identified the +0 ring mail "Poevuff" {rElec Int+3}
442045 | Zig:19   | Identified the +11 arbalest "Decvu Lubifo" {flame, Str+3}
442058 | Zig:19   | Identified the +8 eveningstar "Fyotadin" {venom, Str+4}
442062 | Zig:19   | Identified the +1 morningstar "Qaafe" {freeze, Fly Will+
                  | Dex+2 Stlth-}
442065 | Zig:19   | Identified the +0 robe of Loss {+Blink +Inv rF+}
442079 | Zig:19   | Identified the +5 hand axe of Due Proportion {drain, Will+
                  | Str-5 Int+3}
442118 | Zig:19   | Identified the staff of poison "Acruum" {Fragile Fly rPois
                  | rF+ Str+2}
442126 | Zig:19   | Identified the staff of conjuration "Gadel" {rPois Str-3
                  | Int+4}
442156 | Zig:19   | Identified the ring of Absolutism {Contam Dex+6 Slay+5
                  | SInv}
442174 | Zig:19   | Identified the +7 short sword "Beastslayer" {flame, +Blink
                  | rF+ Dex+4}
442477 | Zig:19   | Identified the +2 leather armour of Bad Feelings {rPois
                  | rC+}
442501 | Zig:20   | Entered Level 20 of a ziggurat
442557 | Zig:20   | Noticed Lotrumm the pandemonium lord
442562 | Zig:20   | Killed Lotrumm the pandemonium lord
443062 | Zig:20   | Identified the amulet "Axai" {Reflect rPois rC+ Str-4 Int+2
                  | SH+5}
443070 | Zig:20   | Identified the staff of conjuration "Joniy" {rElec}
443073 | Zig:20   | Identified the ring "Genn" {rPois Will+++ Str+2 Int+6
                  | Slay-6}
443074 | Zig:20   | Identified the +10 shortbow of Bodily Humours {flame,
                  | Dex+3}
443075 | Zig:20   | Identified the ring "Juskorief" {Wiz rElec Will+ Str+2}
443076 | Zig:20   | Identified the ring of Foxackuev {Str+6 SInv}
443077 | Zig:20   | Identified the staff of fire "Ebal" {rPois rF+ Int+2}
443083 | Zig:20   | Identified the +0 robe "Loimoc" {Will+ Regen+}
443089 | Zig:20   | Identified the +0 ring mail of Vyirueky {*Corrode Regen+
                  | Int+5}
443098 | Zig:20   | Identified the +11 falchion "Nuirgh" {antimagic, +Blink
                  | Int+3 Dex+4}
443100 | Zig:20   | Identified the ring "Imara" {Ice rN+ Will+ Stlth+}
443102 | Zig:20   | Identified the +10 shortbow of the Dull God {freeze, Str+2}
443113 | Zig:20   | Identified the ring of the Devil's Team {Wiz rElec rC++
                  | rCorr}
443117 | Zig:20   | Identified the +6 shortbow of Niypp {heavy, Str+4}
443127 | Zig:20   | Identified the amulet "Kokkiy" {rF+ rN+ Regen+ Stlth+}
443176 | Zig:21   | Entered Level 21 of a ziggurat
443202 | Zig:21   | Identified the staff of fire "Ycluthesm" {rPois rF+ rN++
                  | Dex+4}
443284 | Zig:21   | Identified the +11 arbalest of the Thirteen Ships
                  | {antimagic, rC+ Will+}
443287 | Zig:21   | Identified the +6 flail "Wugyis" {heavy, Dex+4}
443289 | Zig:21   | Identified the staff of earth "Silon" {Str+3}
443291 | Zig:21   | Identified the +9 morningstar of Uncomfortable Rashes
                  | {heavy, Dex+2}
443321 | Zig:21   | Identified the staff of death "Ankoph" {rF+ rN+}
443338 | Zig:21   | Identified the +3 battleaxe "Ceer" {venom, rN+}
443347 | Zig:21   | Identified the +5 sling of Imbalance {heavy, rN+++ Str+5
                  | Int-2}
443351 | Zig:21   | Identified the +0 ring mail "Onujigomp" {Rampage Str-2
                  | Slay+3 Stlth+}
443414 | Zig:21   | Identified the +3 plate armour of Morality {Contam Fly rF++
                  | Str-5}
443423 | Zig:21   | Identified the +2 great sword of Annoyance {antimagic,
                  | rPois}
443811 | Zig:22   | Entered Level 22 of a ziggurat
443811 | Zig:22   | Noticed a juggernaut
443811 | Zig:22   | Noticed a juggernaut
443811 | Zig:22   | Noticed a juggernaut
443811 | Zig:22   | Noticed a juggernaut
443811 | Zig:22   | Noticed a juggernaut
443811 | Zig:22   | Noticed a juggernaut
443811 | Zig:22   | Noticed a juggernaut
443811 | Zig:22   | Noticed a juggernaut
443811 | Zig:22   | Noticed a juggernaut
443811 | Zig:22   | Noticed a juggernaut
443811 | Zig:22   | Noticed a juggernaut
443811 | Zig:22   | Noticed a juggernaut
443811 | Zig:22   | Noticed a juggernaut
443811 | Zig:22   | Noticed a juggernaut
443811 | Zig:22   | Noticed a juggernaut
443811 | Zig:22   | Noticed a juggernaut
443811 | Zig:22   | Noticed a juggernaut
443811 | Zig:22   | Noticed a juggernaut
443811 | Zig:22   | Noticed a juggernaut
443811 | Zig:22   | Noticed a juggernaut
443811 | Zig:22   | Noticed a juggernaut
443812 | Zig:22   | Killed a juggernaut
443812 | Zig:22   | Killed a juggernaut
443812 | Zig:22   | Killed a juggernaut
443812 | Zig:22   | Killed a juggernaut
443812 | Zig:22   | Killed a juggernaut
443812 | Zig:22   | Killed a juggernaut
443812 | Zig:22   | Killed a juggernaut
443812 | Zig:22   | Killed a juggernaut
443812 | Zig:22   | Killed a juggernaut
443812 | Zig:22   | Killed a juggernaut
443812 | Zig:22   | Killed a juggernaut
443812 | Zig:22   | Killed a juggernaut
443812 | Zig:22   | Killed a juggernaut
443812 | Zig:22   | Killed a juggernaut
443812 | Zig:22   | Killed a juggernaut
443812 | Zig:22   | Killed a juggernaut
443812 | Zig:22   | Killed a juggernaut
443812 | Zig:22   | Killed a juggernaut
443812 | Zig:22   | Killed a juggernaut
443812 | Zig:22   | Killed a juggernaut
443812 | Zig:22   | Noticed a juggernaut
443815 | Zig:22   | Noticed a juggernaut
443815 | Zig:22   | Noticed a juggernaut
443816 | Zig:22   | Noticed a juggernaut
443817 | Zig:22   | Noticed a juggernaut
443817 | Zig:22   | Noticed a juggernaut
443818 | Zig:22   | Noticed a juggernaut
443818 | Zig:22   | Noticed a juggernaut
443818 | Zig:22   | Noticed a juggernaut
443819 | Zig:22   | Noticed a juggernaut
443819 | Zig:22   | Noticed a juggernaut
443819 | Zig:22   | Noticed a juggernaut
443819 | Zig:22   | Killed a juggernaut
443820 | Zig:22   | Noticed a juggernaut
443820 | Zig:22   | Killed a juggernaut
443820 | Zig:22   | Killed a juggernaut
443820 | Zig:22   | Killed a juggernaut
443820 | Zig:22   | Killed a juggernaut
443820 | Zig:22   | Killed a juggernaut
443820 | Zig:22   | Killed a juggernaut
443820 | Zig:22   | Noticed a juggernaut
443821 | Zig:22   | Noticed a juggernaut
443821 | Zig:22   | Noticed a juggernaut
443821 | Zig:22   | Noticed a juggernaut
443821 | Zig:22   | Noticed a juggernaut
443822 | Zig:22   | Noticed a juggernaut
443822 | Zig:22   | Noticed a juggernaut
443823 | Zig:22   | Noticed a juggernaut
443825 | Zig:22   | Killed a juggernaut
443825 | Zig:22   | Killed a juggernaut
443825 | Zig:22   | Killed a juggernaut
443825 | Zig:22   | Killed a juggernaut
443825 | Zig:22   | Killed a juggernaut
443825 | Zig:22   | Killed a juggernaut
443825 | Zig:22   | Killed a juggernaut
443826 | Zig:22   | Noticed a juggernaut
443826 | Zig:22   | Noticed a juggernaut
443826 | Zig:22   | Noticed a juggernaut
443827 | Zig:22   | Noticed a juggernaut
443828 | Zig:22   | Killed a juggernaut
443828 | Zig:22   | Killed a juggernaut
443828 | Zig:22   | Killed a juggernaut
443828 | Zig:22   | Killed a juggernaut
443828 | Zig:22   | Killed a juggernaut
443828 | Zig:22   | Noticed a juggernaut
443828 | Zig:22   | Noticed a juggernaut
443829 | Zig:22   | Noticed a juggernaut
443830 | Zig:22   | Noticed a juggernaut
443830 | Zig:22   | Noticed a juggernaut
443830 | Zig:22   | Noticed a juggernaut
443830 | Zig:22   | Noticed a juggernaut
443831 | Zig:22   | Noticed a juggernaut
443831 | Zig:22   | Noticed a juggernaut
443832 | Zig:22   | Killed a juggernaut
443832 | Zig:22   | Killed a juggernaut
443832 | Zig:22   | Killed a juggernaut
443832 | Zig:22   | Killed a juggernaut
443832 | Zig:22   | Killed a juggernaut
443832 | Zig:22   | Killed a juggernaut
443832 | Zig:22   | Killed a juggernaut
443832 | Zig:22   | Killed a juggernaut
443833 | Zig:22   | Killed a juggernaut
443833 | Zig:22   | Killed a juggernaut
443833 | Zig:22   | Killed a juggernaut
443833 | Zig:22   | Killed a juggernaut
443833 | Zig:22   | Killed a juggernaut
443833 | Zig:22   | Killed a juggernaut
443833 | Zig:22   | Killed a juggernaut
443833 | Zig:22   | Killed a juggernaut
443835 | Zig:22   | Noticed a juggernaut
443840 | Zig:22   | Killed a juggernaut
444304 | Zig:22   | Identified the +0 robe of Yzu Dun {rC- Dex+7 Stlth+}
444367 | Zig:22   | Identified the ring of the Firefly {+Blink Fly}
444374 | Zig:22   | Identified the +6 chain mail of Muiteo Womu {rElec rPois
                  | Dex+8 Stlth-}
444377 | Zig:22   | Identified the staff of conjuration "Orotelu Laqi" {rF+
                  | Int-4 SInv}
444383 | Zig:22   | Identified the amulet "Soxtamn" {Acrobat Int+3}
444387 | Zig:22   | Identified the staff of cold "Dorut" {+Blink rC+ Will+}
444398 | Zig:22   | Identified the +1 sling of the Hidden Vale {drain, rElec
                  | Str-2 Int+7}
444400 | Zig:22   | Identified the +8 trident of Veecwuah {heavy, rElec rPois
                  | Int+3}
444404 | Zig:22   | Identified the staff of death "Dynykin" {Drain rN+ Int+8}
444406 | Zig:22   | Identified the amulet "Byguvvic" {-Cast rElec rC+ Regen+
                  | Dex+3}
444413 | Zig:22   | Identified the +8 broad axe "Laexaosh" {heavy, *Corrode
                  | MP+9 Dex+9}
444461 | Zig:23   | Entered Level 23 of a ziggurat
444467 | Zig:23   | Paralysed by a floating eye for 2 turns
444485 | Zig:23   | Identified the +8 scimitar "Ixadurph" {pain, rF+ rCorr
                  | Stlth+}
444605 | Zig:23   | Identified the +3 leather armour of Ponosui {+Blink}
444614 | Zig:23   | Identified the staff of death "Mokk" {*Slow rN+ Int+8}
444631 | Zig:23   | Identified the staff of conjuration "Iwkuj" {rN+ Str+3}
444632 | Zig:23   | Identified the ring "Qiqes" {Fly rPois rCorr Int+3 Stlth-}
444665 | Zig:23   | Identified the ring "Feax" {Int+2 Dex+4 Slay+4}
444670 | Zig:23   | Identified the ring of the Grey Skies {Fly rPois rN+++
                  | Str-5 Dex+4}
444685 | Zig:23   | Identified the +9 short sword of Terror {drain, rF+ Stlth+}
444712 | Zig:23   | Identified the +2 mace of the Boiling Point {freeze, rF-
                  | Int+3 Stlth+}
444720 | Zig:23   | Identified the ring "Icoekos" {rC++ MP+9 Int+5}
444797 | Zig:23   | Identified the ring "Siung" {rC+ rCorr Dex+6 Stlth+}
445155 | Zig:24   | Entered Level 24 of a ziggurat
445364 | Zig:24   | Identified the amulet of Kagopp {Spirit Int+5}
445367 | Zig:24   | Identified the ring "Gylogg" {+Blink Will+ Str-2 Int+4
                  | Dex+6}
445371 | Zig:24   | Identified the +1 cloak of Pan-Flutes {Str+5}
445381 | Zig:24   | Identified the +1 leather armour of Whack-A-Mole {+Blink
                  | rC+ rCorr}
445436 | Zig:24   | Identified the +0 chain mail "Pyss" {Regen+ Str+4 Dex+2}
445814 | Zig:24   | Identified the +6 short sword "Goblinbane" {venom, rC+
                  | Will+}
445817 | Zig:24   | Identified the +0 plate armour of the Transmuting Gods
                  | {Dex+3 Slay+3}
445825 | Zig:24   | Identified the +2 helmet of Jyrhaar {rF+ Dex+5}
445828 | Zig:24   | Identified the ring of Egalitarianism {rPois rF+ rN+ Str+3
                  | Dex-3}
445852 | Zig:24   | Identified the +1 sling of the Wolf {drain, Int+4}
445887 | Zig:24   | Identified the +1 pair of gloves "Worah" {Harm *Corrode
                  | rElec Str+3}
445894 | Zig:25   | Entered Level 25 of a ziggurat
445894 | Zig:25   | Noticed an ancient lich
445894 | Zig:25   | Noticed a dread lich
445894 | Zig:25   | Noticed an ancient lich
445894 | Zig:25   | Noticed an ancient lich
445895 | Zig:25   | Killed a dread lich
445895 | Zig:25   | Killed an ancient lich
445896 | Zig:25   | Killed an ancient lich
445897 | Zig:25   | Killed an ancient lich
445897 | Zig:25   | Noticed an ancient lich
445898 | Zig:25   | Noticed a dread lich
445899 | Zig:25   | Noticed a dread lich
445900 | Zig:25   | Noticed a dread lich
445902 | Zig:25   | Noticed a dread lich
445902 | Zig:25   | Noticed a dread lich
445903 | Zig:25   | Noticed a dread lich
445904 | Zig:25   | Killed a dread lich
445904 | Zig:25   | Killed a dread lich
445904 | Zig:25   | Killed an ancient lich
445904 | Zig:25   | Killed a dread lich
445905 | Zig:25   | Killed a dread lich
445905 | Zig:25   | Killed a dread lich
445905 | Zig:25   | Killed a dread lich
445905 | Zig:25   | Noticed a dread lich
445907 | Zig:25   | Noticed an ancient lich
445908 | Zig:25   | Noticed a dread lich
445908 | Zig:25   | Noticed a dread lich
445911 | Zig:25   | Killed a dread lich
445911 | Zig:25   | Killed a dread lich
445912 | Zig:25   | Killed a dread lich
445912 | Zig:25   | Noticed a dread lich
445915 | Zig:25   | Noticed an ancient lich
445916 | Zig:25   | Noticed an ancient lich
445917 | Zig:25   | Noticed a dread lich
445919 | Zig:25   | Killed an ancient lich
445919 | Zig:25   | Killed a dread lich
445919 | Zig:25   | Killed an ancient lich
445919 | Zig:25   | Killed an ancient lich
445919 | Zig:25   | Killed a dread lich
446100 | Zig:25   | Identified the staff of air "Kyoq" {rElec rN+ Int+2}
446106 | Zig:25   | Identified the staff of cold "Xeugh" {rF- rC+ rN+ MP+9
                  | Str+2}
446107 | Zig:25   | Identified the amulet "Cixir" {Spirit Harm Fly rPois Will+}
446110 | Zig:25   | Identified the +1 shortbow of Xelil {flame, rPois rF+ Str+3
                  | Stlth-}
446112 | Zig:25   | Identified the +1 dire flail "Pyewieg" {antimagic, rElec}
446115 | Zig:25   | Identified the ring of Fynoc {Fire rPois Int-4 Dex+3}
446116 | Zig:25   | Identified the +7 long sword of Gozag, Hugging {flame,
                  | *Corrode Dex+4}
446118 | Zig:25   | Identified the ring of Hobodaim {rF+ rN++ rCorr Int-5
                  | Dex+3}
446119 | Zig:25   | Identified the staff of cold "Jabruc" {rC+ Dex+5}
446126 | Zig:25   | Identified the ring of Akaonn {rF+ Str+3 Int+2}
446131 | Zig:25   | Identified the +6 dagger "Haquturr" {spect, rElec rF+}
446134 | Zig:25   | Identified the +11 shadow dragon scales of the Orange
                  | {Drain +Blink Int+2 Stlth++++}
446162 | Zig:25   | Identified the +6 spear of Rives {flame, Int+3}
446189 | Zig:25   | Identified the ring of Fuod Hidd {Fly Dex+3}
446191 | Zig:25   | Identified the ring of Sisa {*Slow rPois EV+5 Int+4}
446224 | Zig:25   | Identified the +2 quarterstaff of Fear {heavy, rN+}
446226 | Zig:25   | Identified the +4 chain mail of Eggej {rN+}
446232 | Zig:25   | Identified the +2 robe of the Hidden Vale {Int+5 SInv}
446242 | Zig:25   | Identified the +0 ring mail of Okawaru's Reproof {Int+3}
446310 | Zig:25   | Identified the +10 long sword of Faduguq {spect, rElec rF++
                  | Str-4 Int+3}
446658 | Zig:26   | Entered Level 26 of a ziggurat
446702 | Zig:26   | Noticed Sairak the pandemonium lord
446708 | Zig:26   | Killed Sairak the pandemonium lord
446726 | Zig:26   | Identified the staff of air "Jilobov" {rElec rN+ Str-5
                  | Int+4}
446880 | Zig:26   | Identified the staff of earth "Umaocri" {Dex+7}
447252 | Zig:26   | Identified the staff of cold "Ticvoest" {rC+ Int+6}
447256 | Zig:26   | Identified the +1 plate armour of the End {Will- rCorr
                  | Int+3 Slay+3}
447268 | Zig:26   | Identified the ring of the Republic {rElec rF- rC+ rCorr
                  | Str+3}
447280 | Zig:26   | Identified the +6 falchion of Floods {flame, Fly rF+ Will+
                  | Dex-2}
447285 | Zig:26   | Identified the +1 robe of Insatiable Hunger {Int+2}
447286 | Zig:26   | Identified the +7 crystal plate armour of the Salamander
                  | {rF+ Will- Slay+3}
447299 | Zig:26   | Identified the ring "Haparabe" {AC+4 SInv}
447305 | Zig:26   | Identified the +2 great mace "Beastslayer" {heavy, Fragile
                  | Int+6 Dex+5}
447310 | Zig:26   | Identified the +8 dagger of the Realm of Zot {elec, *Rage
                  | rPois rCorr Str+3}
447329 | Zig:26   | Identified the +8 short sword of Tomiu {heavy, rElec Dex+4}
447330 | Zig:26   | Identified the staff of poison "Gungiph" {rPois MP+9 Str+3}
447332 | Zig:26   | Identified the staff of cold "Xuleg" {rC+ rCorr}
447333 | Zig:26   | Identified the staff of earth "Wefien" {rPois Str+4}
447334 | Zig:26   | Identified the ring "Casum" {rN+ Will+ Dex+2}
447336 | Zig:26   | Identified the +4 quarterstaff of Festooned Guile {freeze,
                  | rPois rCorr Int-5}
447360 | Zig:26   | Identified the +9 shortbow "Geokaont" {flame, Contam +Blink
                  | Will++ Dex+2}
447361 | Zig:26   | Identified the +3 ring mail of Utevuqux {-Cast Will+ Dex+5}
447363 | Zig:26   | Identified the +5 flail "Ruheuhal" {elec, Will- Dex+3
                  | Stlth+}
447426 | Zig:27   | Entered Level 27 of a ziggurat
447469 | Zig:27   | Noticed a dread lich
447487 | Zig:27   | Killed a dread lich
447503 | Zig:27   | Noticed a dread lich
447520 | Zig:27   | Killed a dread lich
447576 | Zig:27   | Identified the +1 pair of boots "Ynulyo" {Regen+ Int+3}
447727 | Zig:27   | Identified the +2 pair of gloves "Elare" {-Cast rElec Int-2
                  | SInv}
447729 | Zig:27   | Identified the +5 battleaxe "Suysebb" {antimagic, rF+ rC+
                  | Int+4}
447897 | Zig:27   | Identified the ring of Zicveb {rC+ rN+ Slay+4}
447901 | Zig:27   | Identified the +0 ring mail "Yraogog" {-Tele Harm Will+
                  | Int+2}
447908 | Zig:27   | Identified the +1 pair of boots "Ryxzul" {rElec rCorr Str+3
                  | Int-2}
447912 | Zig:27   | Identified the +2 double sword "Eviscerator" {vamp, Dex+4}
447934 | Zig:27   | Identified the staff of cold "Ecatemor" {+Blink rC+ Str+5}
447938 | Zig:27   | Identified the +8 kite shield of the Big Bang {Stlth+}
447949 | Zig:27   | Identified the ring "Vifuuh" {rC+ rCorr Str+4 SInv}
447957 | Zig:27   | Identified the +8 great mace "Naifapn" {flame, rC+ rN++
                  | Stlth+}
447960 | Zig:27   | Identified the ring of Imygoam {rN+ rCorr Stlth+}
447969 | Zig:27   | Identified the +3 plate armour "Rocipoh" {Dex+7}
447970 | Zig:27   | Identified the staff of fire "Heetae" {rF+ rC+ rN+ Str+5
                  | Int-2}
447973 | Zig:27   | Identified the ring of Jieh {+Blink rC+++ AC+4 Str-3}
447974 | Zig:27   | Identified the staff of poison "Zego Caihi" {rElec rPois}
447976 | Zig:27   | Identified the +3 glaive "Goblinslayer" {flame, rPois Int-4
                  | Dex-2 Stlth+}
447979 | Zig:27   | Identified the +12 whip of Callousness {drain, Dex+2}
447989 | Zig:27   | Identified the staff of conjuration "Losh" {rF+}
447990 | Zig:27   | Identified the +2 robe "Xofilil" {rN+ rCorr}
447994 | Zig:27   | Identified the staff of earth "Lisoid" {rCorr Str-3 Int-4
                  | Dex+6 Stlth+}
447997 | Zig:27   | Identified the +0 shortbow "Zoalunet" {antimagic, +Blink
                  | rElec rC+++ Str-4 Stlth+}
448007 | Zig:27   | Identified the +0 robe of the Original Sin {+Inv}
448013 | Zig:27   | Identified the ring of Essawian {rPois Dex+4}
448015 | Zig:27   | Identified the staff of earth "Geavalor" {rC+}
448016 | Zig:27   | Identified the amulet "Haygoarask" {Faith Rampage rF- rC+
                  | Int+6}
448044 | Zig:27   | Identified the staff of poison "Doosty" {rPois Int+6 SInv}
448053 | Zig:27   | Identified the ring of the Median {rPois rF+ Will+}
448349 | Zig:1    | Entered Level 1 of a ziggurat
448493 | Zig:2    | Entered Level 2 of a ziggurat
448691 | Zig:3    | Entered Level 3 of a ziggurat
448691 | Zig:3    | Noticed an ancient lich
448691 | Zig:3    | Noticed a dread lich
448691 | Zig:3    | Noticed a dread lich
448691 | Zig:3    | Noticed a dread lich
448691 | Zig:3    | Noticed an ancient lich
448691 | Zig:3    | Noticed a dread lich
448691 | Zig:3    | Noticed a dread lich
448691 | Zig:3    | Noticed a dread lich
448691 | Zig:3    | Noticed an ancient lich
448692 | Zig:3    | Killed a dread lich
448692 | Zig:3    | Killed a dread lich
448693 | Zig:3    | Killed an ancient lich
448693 | Zig:3    | Killed a dread lich
448693 | Zig:3    | Killed a dread lich
448693 | Zig:3    | Killed an ancient lich
448693 | Zig:3    | Killed an ancient lich
448693 | Zig:3    | Killed a dread lich
448695 | Zig:3    | Killed a dread lich
448949 | Zig:3    | Identified the +8 longbow of the Slashing Mosquito {drain,
                  | *Slow Str+4 Int+4}
448959 | Zig:3    | Identified the ring "Serche Qytwaa" {Will+ rCorr Int+2
                  | Dex-5}
448961 | Zig:3    | Identified the +8 broad axe of Bread {freeze, rC- Str+3
                  | Stlth+}
448976 | Zig:4    | Entered Level 4 of a ziggurat
448976 | Zig:4    | Noticed a dread lich
448976 | Zig:4    | Noticed a dread lich
448976 | Zig:4    | Noticed a dread lich
448976 | Zig:4    | Noticed a dread lich
448976 | Zig:4    | Noticed a dread lich
448976 | Zig:4    | Noticed a dread lich
448976 | Zig:4    | Noticed an ancient lich
448976 | Zig:4    | Noticed an ancient lich
448976 | Zig:4    | Noticed a dread lich
448976 | Zig:4    | Noticed a dread lich
448976 | Zig:4    | Noticed an ancient lich
448976 | Zig:4    | Noticed an ancient lich
448976 | Zig:4    | Noticed an ancient lich
448976 | Zig:4    | Noticed a dread lich
448976 | Zig:4    | Noticed a dread lich
448976 | Zig:4    | Noticed a dread lich
448976 | Zig:4    | Noticed an ancient lich
448976 | Zig:4    | Noticed a dread lich
448977 | Zig:4    | Killed a dread lich
448977 | Zig:4    | Killed a dread lich
448977 | Zig:4    | Killed a dread lich
448977 | Zig:4    | Killed a dread lich
448977 | Zig:4    | Killed a dread lich
448977 | Zig:4    | Killed a dread lich
448977 | Zig:4    | Killed an ancient lich
448977 | Zig:4    | Killed a dread lich
448977 | Zig:4    | Killed an ancient lich
448977 | Zig:4    | Killed a dread lich
448977 | Zig:4    | Noticed an ancient lich
448978 | Zig:4    | Killed an ancient lich
448978 | Zig:4    | Killed an ancient lich
448978 | Zig:4    | Killed an ancient lich
448978 | Zig:4    | Killed a dread lich
448978 | Zig:4    | Killed a dread lich
448978 | Zig:4    | Killed a dread lich
448978 | Zig:4    | Killed an ancient lich
448978 | Zig:4    | Killed a dread lich
448978 | Zig:4    | Killed an ancient lich
448979 | Zig:4    | Noticed a dread lich
448980 | Zig:4    | Noticed an ancient lich
448983 | Zig:4    | Killed an ancient lich
448984 | Zig:4    | Killed a dread lich
449218 | Zig:4    | Identified the ring "Ozonamie" {rElec rPois rC- EV+5 Dex+6}
449239 | Zig:4    | Identified the staff of poison "Luuck" {rPois rF+ Str+5}
449245 | Zig:5    | Entered Level 5 of a ziggurat
449441 | Zig:5    | Identified the +5 glaive of Koph {heavy, rElec Will+}
449443 | Zig:5    | Identified the +3 rapier of Eternal Harmony {freeze, rC+}
449554 | Zig:6    | Entered Level 6 of a ziggurat
449798 | Zig:6    | Identified the ring of the Baleful God {Int+6 Dex+6 Stlth+}
449801 | Zig:6    | Identified the +3 battleaxe of the Final Chapter {freeze,
                  | Contam rN++}
449817 | Zig:6    | Identified the ring of Xeol {Fly Will++}
449881 | Zig:7    | Entered Level 7 of a ziggurat
449892 | Zig:7    | Noticed Byuhyr the pandemonium lord
449899 | Zig:7    | Killed Byuhyr the pandemonium lord
450184 | Zig:7    | Identified the +9 dagger "Zithrileo" {elec, *Noise rF+ rC+}
450419 | Zig:8    | Entered Level 8 of a ziggurat
450740 | Zig:8    | Identified the ring "Ykeng" {rN+ Slay+3 SInv}
450806 | Zig:9    | Entered Level 9 of a ziggurat
450806 | Zig:9    | Noticed Raatitwy the pandemonium lord
450806 | Zig:9    | Noticed Fipn the pandemonium lord
450806 | Zig:9    | Noticed Jolicaot the pandemonium lord
450806 | Zig:9    | Noticed Xidukh the pandemonium lord
450806 | Zig:9    | Noticed Goklics the pandemonium lord
450806 | Zig:9    | Noticed Itemaoge the pandemonium lord
450806 | Zig:9    | Noticed Ergherem the pandemonium lord
450806 | Zig:9    | Noticed Puca the pandemonium lord
450806 | Zig:9    | Noticed Vyti the pandemonium lord
450806 | Zig:9    | Noticed Bovvyguj the pandemonium lord
450806 | Zig:9    | Noticed Xedad the pandemonium lord
450806 | Zig:9    | Noticed Ziskysh the pandemonium lord
450806 | Zig:9    | Noticed Qetoeptabre the pandemonium lord
450806 | Zig:9    | Noticed Atwyogh the pandemonium lord
450806 | Zig:9    | Noticed Sodghuq the pandemonium lord
450806 | Zig:9    | Noticed Osywk the pandemonium lord
450806 | Zig:9    | Noticed Tuvixum the pandemonium lord
450806 | Zig:9    | Noticed Heviol the pandemonium lord
450806 | Zig:9    | Noticed Peocle the pandemonium lord
450806 | Zig:9    | Noticed Dutub the pandemonium lord
450806 | Zig:9    | Noticed Oremuve the pandemonium lord
450806 | Zig:9    | Noticed Otima the pandemonium lord
450806 | Zig:9    | Noticed Ziryer the pandemonium lord
450806 | Zig:9    | Noticed Galaipex the pandemonium lord
450806 | Zig:9    | Noticed Jesus the pandemonium lord
450806 | Zig:9    | Noticed Micvomm the pandemonium lord
450806 | Zig:9    | Noticed Seurrar the pandemonium lord
450806 | Zig:9    | Noticed Hihunaw the pandemonium lord
450806 | Zig:9    | Noticed Xoanyog the pandemonium lord
450806 | Zig:9    | Noticed Iwef the pandemonium lord
450806 | Zig:9    | Noticed Heotto the pandemonium lord
450806 | Zig:9    | Noticed Pihybote the pandemonium lord
450806 | Zig:9    | Noticed Fereajoc the pandemonium lord
450806 | Zig:9    | Noticed Ybiclas the pandemonium lord
450806 | Zig:9    | Noticed Reiwk the pandemonium lord
450806 | Zig:9    | Noticed Logyr the pandemonium lord
450806 | Zig:9    | Noticed Sipykung the pandemonium lord
450806 | Zig:9    | Noticed Hoaq the pandemonium lord
450806 | Zig:9    | Noticed Daostr Jipp the pandemonium lord
450806 | Zig:9    | Noticed Adinwive the pandemonium lord
450806 | Zig:9    | Noticed Vaseem the pandemonium lord
450806 | Zig:9    | Noticed Woats the pandemonium lord
450806 | Zig:9    | Noticed Riloogis the pandemonium lord
450806 | Zig:9    | Noticed Kufe the pandemonium lord
450806 | Zig:9    | Noticed Guckaop the pandemonium lord
450806 | Zig:9    | Noticed Ezenocko the pandemonium lord
450806 | Zig:9    | Noticed Osaed the pandemonium lord
450807 | Zig:9    | Killed Bovvyguj the pandemonium lord
450807 | Zig:9    | Killed Puca the pandemonium lord
450807 | Zig:9    | Killed Atwyogh the pandemonium lord
450807 | Zig:9    | Killed Vyti the pandemonium lord
450807 | Zig:9    | Killed Ziryer the pandemonium lord
450807 | Zig:9    | Killed Osywk the pandemonium lord
450807 | Zig:9    | Killed Dutub the pandemonium lord
450807 | Zig:9    | Killed Xoanyog the pandemonium lord
450807 | Zig:9    | Killed Hoaq the pandemonium lord
450807 | Zig:9    | Noticed Efalihis the pandemonium lord
450808 | Zig:9    | Noticed Qiaqauj the pandemonium lord
450808 | Zig:9    | Noticed Ihulicigg the pandemonium lord
450808 | Zig:9    | Noticed Sicesiev the pandemonium lord
450809 | Zig:9    | Noticed Gosyrrab the pandemonium lord
450809 | Zig:9    | Killed Adinwive the pandemonium lord
450809 | Zig:9    | Killed Sodghuq the pandemonium lord
450809 | Zig:9    | Killed Woats the pandemonium lord
450809 | Zig:9    | Killed Sipykung the pandemonium lord
450809 | Zig:9    | Noticed Buluqe the pandemonium lord
450809 | Zig:9    | Noticed Wabimoacs the pandemonium lord
450810 | Zig:9    | Killed Hihunaw the pandemonium lord
450810 | Zig:9    | Killed Kufe the pandemonium lord
450810 | Zig:9    | Killed Heviol the pandemonium lord
450810 | Zig:9    | Killed Tuvixum the pandemonium lord
450810 | Zig:9    | Killed Daostr Jipp the pandemonium lord
450810 | Zig:9    | Killed Pihybote the pandemonium lord
450810 | Zig:9    | Killed Wabimoacs the pandemonium lord
450810 | Zig:9    | Killed Fipn the pandemonium lord
450810 | Zig:9    | Killed Gosyrrab the pandemonium lord
450810 | Zig:9    | Killed Ihulicigg the pandemonium lord
450810 | Zig:9    | Killed Ezenocko the pandemonium lord
450810 | Zig:9    | Killed Ybiclas the pandemonium lord
450810 | Zig:9    | Killed Riloogis the pandemonium lord
450810 | Zig:9    | Killed Logyr the pandemonium lord
450810 | Zig:9    | Noticed Gomulas the pandemonium lord
450810 | Zig:9    | Noticed Ruoneh the pandemonium lord
450812 | Zig:9    | Killed Vaseem the pandemonium lord
450813 | Zig:9    | Killed Micvomm the pandemonium lord
450813 | Zig:9    | Killed Heotto the pandemonium lord
450813 | Zig:9    | Killed Jolicaot the pandemonium lord
450813 | Zig:9    | Killed Raatitwy the pandemonium lord
450813 | Zig:9    | Killed Guckaop the pandemonium lord
450813 | Zig:9    | Killed Galaipex the pandemonium lord
450813 | Zig:9    | Killed Reiwk the pandemonium lord
450813 | Zig:9    | Killed Ziskysh the pandemonium lord
450814 | Zig:9    | Killed Ergherem the pandemonium lord
450814 | Zig:9    | Killed Osaed the pandemonium lord
450814 | Zig:9    | Killed Goklics the pandemonium lord
450814 | Zig:9    | Killed Peocle the pandemonium lord
450814 | Zig:9    | Killed Xidukh the pandemonium lord
450814 | Zig:9    | Killed Buluqe the pandemonium lord
450814 | Zig:9    | Killed Xedad the pandemonium lord
450814 | Zig:9    | Killed Otima the pandemonium lord
450814 | Zig:9    | Killed Fereajoc the pandemonium lord
450815 | Zig:9    | Killed Jesus the pandemonium lord
450815 | Zig:9    | Killed Efalihis the pandemonium lord
450815 | Zig:9    | Noticed Qooce the pandemonium lord
450816 | Zig:9    | Killed Seurrar the pandemonium lord
450816 | Zig:9    | Killed Gomulas the pandemonium lord
450816 | Zig:9    | Killed Itemaoge the pandemonium lord
450816 | Zig:9    | Killed Oremuve the pandemonium lord
450816 | Zig:9    | Killed Iwef the pandemonium lord
450817 | Zig:9    | Killed Qetoeptabre the pandemonium lord
450817 | Zig:9    | Killed Qooce the pandemonium lord
450817 | Zig:9    | Killed Qiaqauj the pandemonium lord
450817 | Zig:9    | Noticed Isumubly the pandemonium lord
450817 | Zig:9    | Noticed Baismum the pandemonium lord
450818 | Zig:9    | Killed Ruoneh the pandemonium lord
450818 | Zig:9    | Noticed Ixkud the pandemonium lord
450818 | Zig:9    | Noticed Uhaintiarch the pandemonium lord
450819 | Zig:9    | Noticed Saeciwil the pandemonium lord
450819 | Zig:9    | Noticed Nost the pandemonium lord
450819 | Zig:9    | Noticed Ugupom the pandemonium lord
450819 | Zig:9    | Noticed Yhyut the pandemonium lord
450819 | Zig:9    | Noticed Citontism the pandemonium lord
450821 | Zig:9    | Killed Nost the pandemonium lord
450821 | Zig:9    | Noticed Qoigof the pandemonium lord
450822 | Zig:9    | Killed Saeciwil the pandemonium lord
450822 | Zig:9    | Killed Baismum the pandemonium lord
450822 | Zig:9    | Killed Ugupom the pandemonium lord
450822 | Zig:9    | Killed Citontism the pandemonium lord
450823 | Zig:9    | Killed Ixkud the pandemonium lord
450823 | Zig:9    | Killed Isumubly the pandemonium lord
450823 | Zig:9    | Killed Sicesiev the pandemonium lord
450823 | Zig:9    | Noticed Extili the pandemonium lord
450824 | Zig:9    | Noticed Wovvyh the pandemonium lord
450825 | Zig:9    | Killed Yhyut the pandemonium lord
450828 | Zig:9    | Noticed Rifuy the pandemonium lord
450830 | Zig:9    | Killed Qoigof the pandemonium lord
450830 | Zig:9    | Killed Uhaintiarch the pandemonium lord
450831 | Zig:9    | Noticed Setasaur the pandemonium lord
450831 | Zig:9    | Noticed Sashuny the pandemonium lord
450832 | Zig:9    | Noticed Tuvoac the pandemonium lord
450833 | Zig:9    | Killed Wovvyh the pandemonium lord
450833 | Zig:9    | Killed Rifuy the pandemonium lord
450833 | Zig:9    | Noticed Olygh the pandemonium lord
450833 | Zig:9    | Noticed Veatokkomo the pandemonium lord
450834 | Zig:9    | Noticed Vom Rag the pandemonium lord
450835 | Zig:9    | Killed Extili the pandemonium lord
450835 | Zig:9    | Killed Setasaur the pandemonium lord
450835 | Zig:9    | Noticed Hacke the pandemonium lord
450835 | Zig:9    | Noticed Luzugg the pandemonium lord
450836 | Zig:9    | Noticed Matir the pandemonium lord
450836 | Zig:9    | Noticed Zokk the pandemonium lord
450836 | Zig:9    | Noticed Liqim the pandemonium lord
450836 | Zig:9    | Noticed Peon the pandemonium lord
450838 | Zig:9    | Noticed Zyfeppe the pandemonium lord
450838 | Zig:9    | Killed Sashuny the pandemonium lord
450838 | Zig:9    | Killed Olygh the pandemonium lord
450838 | Zig:9    | Killed Vom Rag the pandemonium lord
450838 | Zig:9    | Killed Tuvoac the pandemonium lord
450839 | Zig:9    | Killed Veatokkomo the pandemonium lord
450839 | Zig:9    | Killed Peon the pandemonium lord
450839 | Zig:9    | Noticed Josuor the pandemonium lord
450840 | Zig:9    | Killed Hacke the pandemonium lord
450841 | Zig:9    | Killed Zyfeppe the pandemonium lord
450841 | Zig:9    | Killed Liqim the pandemonium lord
450841 | Zig:9    | Killed Matir the pandemonium lord
450841 | Zig:9    | Killed Zokk the pandemonium lord
450841 | Zig:9    | Killed Vehiol the pandemonium lord
450842 | Zig:9    | Killed Josuor the pandemonium lord
450845 | Zig:9    | Noticed Wagaaxu the pandemonium lord
450846 | Zig:9    | Noticed Assucul the pandemonium lord
450846 | Zig:9    | Killed Luzugg the pandemonium lord
450847 | Zig:9    | Killed Assucul the pandemonium lord
450847 | Zig:9    | Noticed Piyklouc the pandemonium lord
450848 | Zig:9    | Noticed Fumpaariz the pandemonium lord
450850 | Zig:9    | Noticed Zothruod the pandemonium lord
450851 | Zig:9    | Noticed Uteaph the pandemonium lord
450852 | Zig:9    | Killed Wagaaxu the pandemonium lord
450852 | Zig:9    | Killed Zothruod the pandemonium lord
450852 | Zig:9    | Noticed Darips the pandemonium lord
450853 | Zig:9    | Killed Fumpaariz the pandemonium lord
450853 | Zig:9    | Killed Piyklouc the pandemonium lord
450853 | Zig:9    | Noticed Tyecw the pandemonium lord
450856 | Zig:9    | Noticed Kiodwo the pandemonium lord
450858 | Zig:9    | Killed Darips the pandemonium lord
450859 | Zig:9    | Noticed Unnir the pandemonium lord
450860 | Zig:9    | Killed Uteaph the pandemonium lord
450860 | Zig:9    | Killed Tyecw the pandemonium lord
450860 | Zig:9    | Noticed Kuikues the pandemonium lord
450861 | Zig:9    | Killed Kiodwo the pandemonium lord
450861 | Zig:9    | Killed Unnir the pandemonium lord
450864 | Zig:9    | Killed Kuikues the pandemonium lord
450866 | Zig:9    | Noticed Noux the pandemonium lord
450876 | Zig:9    | Killed Noux the pandemonium lord
451195 | Zig:9    | Identified the +3 broad axe "Uhidova" {heavy, Str+2}
451200 | Zig:9    | Identified the ring "Gebut" {rPois MP+9}
451227 | Zig:10   | Entered Level 10 of a ziggurat
451227 | Zig:10   | Noticed a juggernaut
451227 | Zig:10   | Noticed a juggernaut
451227 | Zig:10   | Noticed a juggernaut
451227 | Zig:10   | Noticed a juggernaut
451227 | Zig:10   | Noticed a juggernaut
451227 | Zig:10   | Noticed a juggernaut
451227 | Zig:10   | Noticed a juggernaut
451227 | Zig:10   | Noticed a juggernaut
451227 | Zig:10   | Noticed a juggernaut
451227 | Zig:10   | Noticed a juggernaut
451227 | Zig:10   | Noticed a juggernaut
451227 | Zig:10   | Noticed a juggernaut
451228 | Zig:10   | Killed a juggernaut
451228 | Zig:10   | Killed a juggernaut
451228 | Zig:10   | Killed a juggernaut
451228 | Zig:10   | Killed a juggernaut
451228 | Zig:10   | Killed a juggernaut
451228 | Zig:10   | Killed a juggernaut
451228 | Zig:10   | Killed a juggernaut
451228 | Zig:10   | Killed a juggernaut
451228 | Zig:10   | Killed a juggernaut
451228 | Zig:10   | Killed a juggernaut
451228 | Zig:10   | Noticed a juggernaut
451229 | Zig:10   | Noticed a juggernaut
451229 | Zig:10   | Noticed a juggernaut
451230 | Zig:10   | Noticed a juggernaut
451231 | Zig:10   | Noticed a juggernaut
451231 | Zig:10   | Noticed a juggernaut
451232 | Zig:10   | Noticed a juggernaut
451233 | Zig:10   | Noticed a juggernaut
451236 | Zig:10   | Killed a juggernaut
451236 | Zig:10   | Killed a juggernaut
451236 | Zig:10   | Killed a juggernaut
451236 | Zig:10   | Killed a juggernaut
451236 | Zig:10   | Killed a juggernaut
451238 | Zig:10   | Killed a juggernaut
451239 | Zig:10   | Killed a juggernaut
451239 | Zig:10   | Killed a juggernaut
451240 | Zig:10   | Killed a juggernaut
451243 | Zig:10   | Killed a juggernaut
451558 | Zig:10   | Identified the amulet "Qeicatzod" {Faith Slay+4}
451662 | Zig:10   | Identified the +8 great sword of Laceration {freeze, rPois
                  | Will+}
451666 | Zig:10   | Identified the +2 long sword of Ijix {drain, Stlth+}
451713 | Zig:10   | Identified the +3 hat of the Sky {Str+4}
451747 | Zig:11   | Entered Level 11 of a ziggurat
451911 | Zig:11   | Identified the ring "Ohodghe" {MP+9 Int+3}
452467 | Zig:12   | Entered Level 12 of a ziggurat
452572 | Zig:12   | Identified the +4 long sword "Hell-Harrower" {holy, Will+
                  | Dex+3 Stlth+}
452948 | Zig:12   | Identified the ring "Jagiuc" {rCorr SInv}
453038 | Zig:12   | Identified the staff of fire "Ralutuf" {+Blink rF+ rC+
                  | Str+2 Dex-2}
453053 | Zig:13   | Entered Level 13 of a ziggurat
453053 | Zig:13   | Noticed a juggernaut
453053 | Zig:13   | Noticed a juggernaut
453053 | Zig:13   | Noticed a juggernaut
453053 | Zig:13   | Noticed a juggernaut
453053 | Zig:13   | Noticed a juggernaut
453053 | Zig:13   | Noticed a juggernaut
453053 | Zig:13   | Noticed a juggernaut
453053 | Zig:13   | Noticed a juggernaut
453053 | Zig:13   | Noticed a juggernaut
453053 | Zig:13   | Noticed a juggernaut
453054 | Zig:13   | Killed a juggernaut
453054 | Zig:13   | Killed a juggernaut
453054 | Zig:13   | Killed a juggernaut
453054 | Zig:13   | Killed a juggernaut
453054 | Zig:13   | Killed a juggernaut
453054 | Zig:13   | Killed a juggernaut
453054 | Zig:13   | Noticed a juggernaut
453055 | Zig:13   | Noticed a juggernaut
453055 | Zig:13   | Noticed a juggernaut
453055 | Zig:13   | Noticed a juggernaut
453057 | Zig:13   | Noticed a juggernaut
453058 | Zig:13   | Noticed a juggernaut
453058 | Zig:13   | Noticed a juggernaut
453058 | Zig:13   | Noticed a juggernaut
453059 | Zig:13   | Killed a juggernaut
453059 | Zig:13   | Killed a juggernaut
453059 | Zig:13   | Killed a juggernaut
453059 | Zig:13   | Killed a juggernaut
453059 | Zig:13   | Killed a juggernaut
453059 | Zig:13   | Noticed a juggernaut
453060 | Zig:13   | Noticed a juggernaut
453060 | Zig:13   | Noticed a juggernaut
453065 | Zig:13   | Noticed a juggernaut
453065 | Zig:13   | Killed a juggernaut
453065 | Zig:13   | Killed a juggernaut
453065 | Zig:13   | Killed a juggernaut
453065 | Zig:13   | Killed a juggernaut
453070 | Zig:13   | Killed a juggernaut
453070 | Zig:13   | Killed a juggernaut
453071 | Zig:13   | Killed a juggernaut
453071 | Zig:13   | Killed a juggernaut
453071 | Zig:13   | Killed a juggernaut
453072 | Zig:13   | Killed a juggernaut
453072 | Zig:13   | Killed a juggernaut
453226 | Zig:13   | Identified the +1 robe "Piheerao" {rElec Str+2}
453231 | Zig:13   | Identified the staff of poison "Irikinus" {rPois rF+ Will+
                  | Str-2 Int+3}
453263 | Zig:13   | Identified the +0 flail of the Vestibule of Hell
                  | {antimagic, rN+ Int+2}
453739 | Zig:14   | Entered Level 14 of a ziggurat
453739 | Zig:14   | Noticed a dread lich
453739 | Zig:14   | Noticed a dread lich
453739 | Zig:14   | Noticed an ancient lich
453739 | Zig:14   | Noticed a dread lich
453739 | Zig:14   | Noticed a dread lich
453739 | Zig:14   | Noticed an ancient lich
453739 | Zig:14   | Noticed a dread lich
453739 | Zig:14   | Noticed an ancient lich
453739 | Zig:14   | Noticed a dread lich
453739 | Zig:14   | Noticed an ancient lich
453739 | Zig:14   | Noticed an ancient lich
453739 | Zig:14   | Noticed an ancient lich
453739 | Zig:14   | Noticed an ancient lich
453739 | Zig:14   | Noticed a dread lich
453739 | Zig:14   | Noticed a dread lich
453739 | Zig:14   | Noticed a dread lich
453739 | Zig:14   | Noticed an ancient lich
453739 | Zig:14   | Noticed a dread lich
453739 | Zig:14   | Noticed an ancient lich
453739 | Zig:14   | Noticed an ancient lich
453739 | Zig:14   | Noticed a dread lich
453739 | Zig:14   | Noticed a dread lich
453739 | Zig:14   | Noticed a dread lich
453739 | Zig:14   | Noticed a dread lich
453740 | Zig:14   | Killed an ancient lich
453740 | Zig:14   | Killed an ancient lich
453740 | Zig:14   | Killed a dread lich
453740 | Zig:14   | Killed an ancient lich
453740 | Zig:14   | Killed an ancient lich
453740 | Zig:14   | Killed an ancient lich
453740 | Zig:14   | Killed a dread lich
453740 | Zig:14   | Killed an ancient lich
453740 | Zig:14   | Killed a dread lich
453740 | Zig:14   | Killed a dread lich
453740 | Zig:14   | Killed an ancient lich
453740 | Zig:14   | Killed a dread lich
453741 | Zig:14   | Noticed an ancient lich
453741 | Zig:14   | Noticed an ancient lich
453741 | Zig:14   | Noticed a dread lich
453741 | Zig:14   | Noticed an ancient lich
453742 | Zig:14   | Noticed a dread lich
453742 | Zig:14   | Noticed an ancient lich
453742 | Zig:14   | Noticed a dread lich
453742 | Zig:14   | Noticed a dread lich
453743 | Zig:14   | Noticed a dread lich
453743 | Zig:14   | Noticed an ancient lich
453743 | Zig:14   | Noticed a dread lich
453743 | Zig:14   | Noticed a dread lich
453744 | Zig:14   | Noticed an ancient lich
453744 | Zig:14   | Killed a dread lich
453744 | Zig:14   | Noticed a dread lich
453744 | Zig:14   | Killed a dread lich
453745 | Zig:14   | Noticed a dread lich
453745 | Zig:14   | Noticed a dread lich
453745 | Zig:14   | Killed a dread lich
453745 | Zig:14   | Killed a dread lich
453745 | Zig:14   | Noticed an ancient lich
453746 | Zig:14   | Killed a dread lich
453746 | Zig:14   | Killed an ancient lich
453746 | Zig:14   | Killed a dread lich
453746 | Zig:14   | Killed a dread lich
453746 | Zig:14   | Killed an ancient lich
453746 | Zig:14   | Killed an ancient lich
453746 | Zig:14   | Killed a dread lich
453746 | Zig:14   | Killed a dread lich
453746 | Zig:14   | Killed an ancient lich
453746 | Zig:14   | Killed a dread lich
453746 | Zig:14   | Killed a dread lich
453746 | Zig:14   | Killed an ancient lich
453746 | Zig:14   | Killed a dread lich
453746 | Zig:14   | Killed an ancient lich
453746 | Zig:14   | Killed an ancient lich
453746 | Zig:14   | Killed an ancient lich
453746 | Zig:14   | Killed a dread lich
453746 | Zig:14   | Killed a dread lich
453746 | Zig:14   | Killed a dread lich
453746 | Zig:14   | Noticed a dread lich
453746 | Zig:14   | Noticed an ancient lich
453746 | Zig:14   | Noticed an ancient lich
453747 | Zig:14   | Noticed a dread lich
453747 | Zig:14   | Killed an ancient lich
453747 | Zig:14   | Killed a dread lich
453748 | Zig:14   | Noticed a dread lich
453748 | Zig:14   | Noticed an ancient lich
453748 | Zig:14   | Noticed a dread lich
453748 | Zig:14   | Killed a dread lich
453749 | Zig:14   | Noticed an ancient lich
453749 | Zig:14   | Noticed an ancient lich
453749 | Zig:14   | Noticed a dread lich
453749 | Zig:14   | Noticed an ancient lich
453749 | Zig:14   | Noticed a dread lich
453749 | Zig:14   | Noticed a dread lich
453749 | Zig:14   | Killed an ancient lich
453750 | Zig:14   | Noticed an ancient lich
453750 | Zig:14   | Noticed an ancient lich
453750 | Zig:14   | Noticed a dread lich
453751 | Zig:14   | Noticed a dread lich
453751 | Zig:14   | Noticed a dread lich
453751 | Zig:14   | Noticed a dread lich
453752 | Zig:14   | Killed a dread lich
453752 | Zig:14   | Killed an ancient lich
453752 | Zig:14   | Killed a dread lich
453752 | Zig:14   | Killed a dread lich
453752 | Zig:14   | Killed a dread lich
453752 | Zig:14   | Killed a dread lich
453752 | Zig:14   | Killed an ancient lich
453752 | Zig:14   | Killed a dread lich
453752 | Zig:14   | Killed a dread lich
453752 | Zig:14   | Noticed a dread lich
453753 | Zig:14   | Killed a dread lich
453753 | Zig:14   | Killed an ancient lich
453753 | Zig:14   | Killed an ancient lich
453753 | Zig:14   | Killed a dread lich
453753 | Zig:14   | Killed an ancient lich
453753 | Zig:14   | Killed an ancient lich
453753 | Zig:14   | Killed an ancient lich
453753 | Zig:14   | Killed a dread lich
453753 | Zig:14   | Killed a dread lich
453753 | Zig:14   | Killed a dread lich
453753 | Zig:14   | Killed a dread lich
453753 | Zig:14   | Killed a dread lich
453753 | Zig:14   | Killed an ancient lich
453754 | Zig:14   | Noticed an ancient lich
453755 | Zig:14   | Noticed a dread lich
453755 | Zig:14   | Noticed an ancient lich
453755 | Zig:14   | Noticed a dread lich
453755 | Zig:14   | Noticed an ancient lich
453756 | Zig:14   | Noticed a dread lich
453756 | Zig:14   | Noticed a dread lich
453756 | Zig:14   | Noticed a dread lich
453756 | Zig:14   | Noticed an ancient lich
453757 | Zig:14   | Killed an ancient lich
453757 | Zig:14   | Killed a dread lich
453757 | Zig:14   | Killed a dread lich
453757 | Zig:14   | Killed an ancient lich
453757 | Zig:14   | Killed a dread lich
453757 | Zig:14   | Killed a dread lich
453757 | Zig:14   | Killed an ancient lich
453757 | Zig:14   | Noticed an ancient lich
453758 | Zig:14   | Noticed an ancient lich
453758 | Zig:14   | Noticed an ancient lich
453761 | Zig:14   | Killed an ancient lich
453762 | Zig:14   | Killed an ancient lich
453762 | Zig:14   | Killed a dread lich
453763 | Zig:14   | Killed an ancient lich
453763 | Zig:14   | Killed an ancient lich
453885 | Zig:14   | Identified the staff of air "Qaokun" {rElec rC+ Dex+2}
453989 | Zig:14   | Identified the ring of Myntouja {Drain rElec rF++ rN+
                  | Str+6}
453995 | Zig:14   | Identified the staff of cold "Ribbydad" {rPois rF+ rC+
                  | Will+ Str+3}
454020 | Zig:14   | Identified the amulet "Tigaag" {Faith *Corrode Fragile
                  | Will+ Dex+6}
454027 | Zig:14   | Identified the +4 dagger of Zadghas {drain, Fragile Str+3
                  | Dex+3}
454029 | Zig:14   | Identified the +4 rapier "Globulus" {antimagic, rC+}
454031 | Zig:14   | Identified the +7 war axe of Might {drain, Will+ Str-2
                  | Int+2 Dex+5}
454032 | Zig:14   | Identified the +3 spear of Erasif {vamp, rN+ Dex+3}
454048 | Zig:14   | Identified the +0 scale mail of the Illusory Dances {rC+
                  | rN+ Dex+3}
454050 | Zig:14   | Identified the ring "Gadaxkiu" {rF+ Str+2 Dex+5}
454438 | Zig:14   | Identified the +3 lajatang of the Hero {drain, Str+2}
454525 | Zig:15   | Entered Level 15 of a ziggurat
454525 | Zig:15   | Noticed an ancient lich
454531 | Zig:15   | Killed an ancient lich
454695 | Zig:15   | Identified the +1 flail of the First Souls {drain, rPois
                  | rF+ Str+3 Dex+3}
454717 | Zig:15   | Identified the staff of earth "Hatwyiq" {Int+3 Dex+5}
454732 | Zig:15   | Identified the ring "Qyatziod" {+Blink rElec Will- Int+6
                  | Slay+4}
454744 | Zig:15   | Identified the +6 quarterstaff "Edwi" {venom, rCorr Str+4}
454754 | Zig:15   | Identified the staff of earth "Yrofakk" {Str+3}
454758 | Zig:15   | Identified the staff of air "Toirpheimn" {rElec rC+ rN+}
454770 | Zig:15   | Identified the +12 plate armour of the Constellations
                  | {rPois Str+5}
454772 | Zig:15   | Identified the +1 shortbow of Noon {drain, rElec Str+2
                  | Int+3}
454773 | Zig:15   | Identified the ring "Xoylipsa" {rCorr Int+3}
454774 | Zig:15   | Identified the staff of cold "Litu" {rF- rC+ Dex+7 SInv}
454787 | Zig:15   | Identified the +4 glaive of Ointment {flame, rElec Str+3}
454791 | Zig:15   | Identified the staff of earth "Qebaepp" {rPois Will+++
                  | Dex-5 SInv}
454835 | Zig:15   | Identified the +7 short sword "Siha" {venom, Int+4}
454837 | Zig:15   | Identified the scarf "Feorirer" {harm, rCorr}
455427 | Zig:16   | Entered Level 16 of a ziggurat
456109 | Zig:16   | Identified the staff of earth "Radis" {rC- Will+++ Str-5
                  | SInv}
456219 | Zig:16   | Identified the staff of death "Faesseve" {Drain rF++ rC+
                  | rN+}
456275 | Zig:16   | Identified the ring "Wotiz" {Fly rPois rCorr Slay-3}
456285 | Zig:16   | Identified the +0 chain mail of Words of Power {Int+3}
456313 | Zig:16   | Identified the +4 quarterstaff "Ciyzask" {flame, rPois rN+
                  | rCorr Dex+3}
456314 | Zig:16   | Identified the +0 chain mail of Diqysmi {rF+}
456330 | Zig:16   | Identified the +3 war axe of Tuughil {flame, MP-9 Str+5}
456338 | Zig:16   | Identified the ring of Yrueroul {rN+ EV+5 Str+2}
456428 | Zig:17   | Entered Level 17 of a ziggurat
456482 | Zig:17   | Noticed an ancient lich
456485 | Zig:17   | Killed an ancient lich
457160 | Zig:17   | Identified the +4 long sword of Luxury {freeze, rElec Int+5
                  | Stlth+}
457162 | Zig:17   | Identified the staff of poison "Tuefren" {rPois rN+ Str+2}
457166 | Zig:17   | Identified the +2 helmet "Jeifo" {Int+3}
457173 | Zig:17   | Identified the ring of Fydwuff {Contam Fly rPois Will++}
457177 | Zig:17   | Identified the staff of air "Waquax" {rElec Str+3 Int+2}
457184 | Zig:17   | Identified the staff of earth "Juchuum" {rPois rF+}
457188 | Zig:17   | Identified the +4 morningstar "Vosefouq" {heavy, *Noise
                  | rPois SInv}
457248 | Zig:18   | Entered Level 18 of a ziggurat
457931 | Zig:18   | Identified the staff of earth "Ykotry" {Str+2 Dex+2}
457945 | Zig:18   | Identified the +3 shortbow "Pikhlat" {freeze, Int+2 Stlth+}
457953 | Zig:18   | Identified the staff of death "Somnaux" {rN+ Dex+4}
458068 | Zig:18   | Identified the staff of conjuration "Xiorips" {rElec Will-
                  | Dex+4}
458069 | Zig:18   | Identified the +2 arbalest "Fupno" {heavy, Str+5}
458094 | Zig:18   | Identified the +10 spear of the Volcano {freeze, Int+3}
458106 | Zig:18   | Identified the ring "Bynnudgh" {rCorr Str+4 Int-5 Dex+4
                  | SInv}
458132 | Zig:18   | Identified the +9 halberd "Demonbane" {flame, rElec rC-
                  | Int+3}
458142 | Zig:18   | Identified the +9 arbalest of the Slime-mould {heavy, rPois
                  | Str+7}
458144 | Zig:18   | Identified the +5 halberd of Doom {flame, Int+4}
458146 | Zig:18   | Identified the staff of air "Omujob" {rElec rF++ rCorr
                  | Int-2 Dex+2}
458152 | Zig:18   | Identified the ring of the Will of the Gods {rC+ Dex+6}
458165 | Zig:18   | Identified the ring "Xoanoi" {rPois rC+ Str+5 SInv}
458171 | Zig:18   | Identified the ring "Hiaffoqul" {AC+4 Int+6}
458260 | Zig:19   | Entered Level 19 of a ziggurat
458298 | Zig:19   | Identified the +2 leather armour of Untruth {rPois rF+
                  | rC++}
458300 | Zig:19   | Identified the staff of conjuration "Oqahaw" {*Slow Will+
                  | Str+4 Dex+2}
458304 | Zig:19   | Identified the staff of air "Azeiblo" {rElec rF+ rCorr
                  | Str-4 Int+2 Dex+3}
458500 | Zig:19   | Identified the ring "Taekhloz" {rPois rC- Str+6 Int+7 SInv}
458604 | Zig:19   | Identified the staff of fire "Ifaicuo" {rF+ Str+4}
458605 | Zig:19   | Identified the ring "Barily" {Will+ AC+4 Dex+3}
458621 | Zig:19   | Identified the +3 dagger of the Dwarven Hall {venom, *Rage
                  | rElec Will- Str+7}
458622 | Zig:19   | Identified the +12 plate armour of Dyspraxia {rPois rN+
                  | Dex-4}
458663 | Zig:19   | Identified the +1 scimitar "Beetle's Funeral" {vamp, rCorr}
459361 | Zig:19   | Identified the ring "Gouwamn" {Fire rElec Will+ rCorr MP-9}
459407 | Zig:20   | Entered Level 20 of a ziggurat
459413 | Zig:20   | Paralysed by an air elemental for 1 turns
459434 | Zig:20   | Paralysed by an air elemental for 1 turns
460137 | Zig:20   | Identified the +8 plate armour "Vekkyir" {Rampage rC+}
460218 | Zig:20   | Identified the staff of death "Cele" {rN+ Stlth+}
460220 | Zig:20   | Identified the +4 hand axe "Oceysiam" {holy, rElec}
460224 | Zig:20   | Identified the +5 great sword of Innocence {spect, Fly rN+
                  | Str-5 Dex+6}
460226 | Zig:20   | Identified the +1 pair of gloves "Vydy" {rF- Regen+ rCorr}
460284 | Zig:20   | Identified the staff of death "Gesaniph" {rN+ Int+4}
460286 | Zig:20   | Identified the amulet of Secsic {Faith Drain Int+7}
460288 | Zig:20   | Identified the +4 trident of Blood {venom, rC+ Str+2 SInv}
460311 | Zig:20   | Identified the +0 robe of Gilaguxesa {rC- rN+ Int+6 Dex-3}
460316 | Zig:20   | Identified the +3 great mace "Pendulum" {drain, SInv}
460319 | Zig:20   | Identified the +5 chain mail "Uthriusu" {rF++ Int+2}
460320 | Zig:20   | Identified the +1 robe of Temperance {rElec Int+3}
460356 | Zig:20   | Identified the ring of Ulapih {rF+++ rCorr MP+9 Str-3
                  | Slay-6}
460448 | Zig:21   | Entered Level 21 of a ziggurat
460448 | Zig:21   | Noticed an ancient lich
460448 | Zig:21   | Noticed an ancient lich
460448 | Zig:21   | Noticed an ancient lich
460448 | Zig:21   | Noticed an ancient lich
460448 | Zig:21   | Noticed a dread lich
460448 | Zig:21   | Noticed a dread lich
460448 | Zig:21   | Noticed an ancient lich
460448 | Zig:21   | Noticed a dread lich
460448 | Zig:21   | Noticed an ancient lich
460448 | Zig:21   | Noticed an ancient lich
460448 | Zig:21   | Noticed an ancient lich
460448 | Zig:21   | Noticed an ancient lich
460448 | Zig:21   | Noticed an ancient lich
460448 | Zig:21   | Noticed an ancient lich
460448 | Zig:21   | Noticed a dread lich
460448 | Zig:21   | Noticed a dread lich
460448 | Zig:21   | Noticed a dread lich
460449 | Zig:21   | Killed an ancient lich
460449 | Zig:21   | Killed a dread lich
460449 | Zig:21   | Killed a dread lich
460449 | Zig:21   | Killed an ancient lich
460449 | Zig:21   | Killed an ancient lich
460449 | Zig:21   | Killed an ancient lich
460449 | Zig:21   | Killed an ancient lich
460449 | Zig:21   | Killed an ancient lich
460450 | Zig:21   | Noticed an ancient lich
460450 | Zig:21   | Noticed an ancient lich
460450 | Zig:21   | Noticed a dread lich
460451 | Zig:21   | Noticed a dread lich
460451 | Zig:21   | Noticed a dread lich
460451 | Zig:21   | Noticed an ancient lich
460452 | Zig:21   | Noticed an ancient lich
460452 | Zig:21   | Noticed a dread lich
460452 | Zig:21   | Noticed an ancient lich
460452 | Zig:21   | Noticed an ancient lich
460452 | Zig:21   | Noticed a dread lich
460452 | Zig:21   | Killed a dread lich
460452 | Zig:21   | Killed an ancient lich
460453 | Zig:21   | Noticed a dread lich
460453 | Zig:21   | Killed an ancient lich
460453 | Zig:21   | Noticed a dread lich
460454 | Zig:21   | Noticed an ancient lich
460454 | Zig:21   | Noticed a dread lich
460454 | Zig:21   | Noticed an ancient lich
460454 | Zig:21   | Killed an ancient lich
460454 | Zig:21   | Noticed a dread lich
460455 | Zig:21   | Noticed a dread lich
460455 | Zig:21   | Noticed a dread lich
460455 | Zig:21   | Noticed an ancient lich
460455 | Zig:21   | Killed an ancient lich
460455 | Zig:21   | Killed a dread lich
460455 | Zig:21   | Killed an ancient lich
460455 | Zig:21   | Noticed an ancient lich
460456 | Zig:21   | Noticed an ancient lich
460456 | Zig:21   | Noticed a dread lich
460456 | Zig:21   | Noticed a dread lich
460456 | Zig:21   | Noticed a dread lich
460456 | Zig:21   | Killed a dread lich
460457 | Zig:21   | Killed an ancient lich
460457 | Zig:21   | Killed an ancient lich
460457 | Zig:21   | Killed a dread lich
460457 | Zig:21   | Killed a dread lich
460457 | Zig:21   | Killed a dread lich
460457 | Zig:21   | Killed a dread lich
460457 | Zig:21   | Killed a dread lich
460457 | Zig:21   | Killed a dread lich
460457 | Zig:21   | Killed an ancient lich
460457 | Zig:21   | Killed an ancient lich
460457 | Zig:21   | Killed a dread lich
460457 | Zig:21   | Noticed a dread lich
460457 | Zig:21   | Noticed a dread lich
460458 | Zig:21   | Killed a dread lich
460458 | Zig:21   | Killed an ancient lich
460461 | Zig:21   | Noticed a dread lich
460461 | Zig:21   | Noticed a dread lich
460461 | Zig:21   | Noticed an ancient lich
460461 | Zig:21   | Noticed a dread lich
460461 | Zig:21   | Noticed an ancient lich
460461 | Zig:21   | Noticed an ancient lich
460461 | Zig:21   | Killed an ancient lich
460461 | Zig:21   | Noticed an ancient lich
460461 | Zig:21   | Noticed an ancient lich
460461 | Zig:21   | Noticed an ancient lich
460462 | Zig:21   | Noticed a dread lich
460462 | Zig:21   | Noticed an ancient lich
460463 | Zig:21   | Killed a dread lich
460463 | Zig:21   | Killed a dread lich
460463 | Zig:21   | Killed a dread lich
460463 | Zig:21   | Killed an ancient lich
460463 | Zig:21   | Killed a dread lich
460463 | Zig:21   | Killed a dread lich
460463 | Zig:21   | Killed an ancient lich
460463 | Zig:21   | Killed an ancient lich
460463 | Zig:21   | Killed a dread lich
460463 | Zig:21   | Killed a dread lich
460464 | Zig:21   | Noticed a dread lich
460464 | Zig:21   | Noticed an ancient lich
460464 | Zig:21   | Noticed a dread lich
460464 | Zig:21   | Noticed an ancient lich
460464 | Zig:21   | Noticed an ancient lich
460465 | Zig:21   | Noticed a dread lich
460465 | Zig:21   | Killed an ancient lich
460465 | Zig:21   | Killed an ancient lich
460465 | Zig:21   | Killed a dread lich
460465 | Zig:21   | Killed a dread lich
460465 | Zig:21   | Killed an ancient lich
460465 | Zig:21   | Killed an ancient lich
460465 | Zig:21   | Killed a dread lich
460465 | Zig:21   | Killed an ancient lich
460465 | Zig:21   | Killed an ancient lich
460465 | Zig:21   | Killed an ancient lich
460465 | Zig:21   | Killed an ancient lich
460465 | Zig:21   | Killed an ancient lich
460465 | Zig:21   | Killed a dread lich
460465 | Zig:21   | Killed a dread lich
460465 | Zig:21   | Killed a dread lich
460465 | Zig:21   | Killed an ancient lich
460465 | Zig:21   | Killed a dread lich
460465 | Zig:21   | Noticed an ancient lich
460465 | Zig:21   | Noticed an ancient lich
460467 | Zig:21   | Noticed an ancient lich
460467 | Zig:21   | Noticed an ancient lich
460467 | Zig:21   | Noticed an ancient lich
460467 | Zig:21   | Noticed a dread lich
460467 | Zig:21   | Noticed a dread lich
460467 | Zig:21   | Noticed a dread lich
460467 | Zig:21   | Killed a dread lich
460467 | Zig:21   | Noticed an ancient lich
460468 | Zig:21   | Noticed a dread lich
460468 | Zig:21   | Noticed an ancient lich
460468 | Zig:21   | Noticed a dread lich
460468 | Zig:21   | Noticed a dread lich
460468 | Zig:21   | Noticed an ancient lich
460468 | Zig:21   | Noticed a dread lich
460468 | Zig:21   | Noticed a dread lich
460468 | Zig:21   | Noticed an ancient lich
460468 | Zig:21   | Noticed an ancient lich
460468 | Zig:21   | Noticed a dread lich
460468 | Zig:21   | Noticed an ancient lich
460469 | Zig:21   | Noticed an ancient lich
460469 | Zig:21   | Noticed an ancient lich
460469 | Zig:21   | Noticed a dread lich
460469 | Zig:21   | Noticed an ancient lich
460469 | Zig:21   | Noticed a dread lich
460469 | Zig:21   | Noticed an ancient lich
460469 | Zig:21   | Noticed a dread lich
460470 | Zig:21   | Noticed a dread lich
460470 | Zig:21   | Noticed a dread lich
460470 | Zig:21   | Noticed a dread lich
460470 | Zig:21   | Noticed a dread lich
460470 | Zig:21   | Noticed a dread lich
460470 | Zig:21   | Noticed an ancient lich
460470 | Zig:21   | Noticed an ancient lich
460471 | Zig:21   | Noticed a dread lich
460471 | Zig:21   | Noticed an ancient lich
460471 | Zig:21   | Killed an ancient lich
460471 | Zig:21   | Killed a dread lich
460472 | Zig:21   | Killed a dread lich
460472 | Zig:21   | Killed an ancient lich
460472 | Zig:21   | Killed an ancient lich
460472 | Zig:21   | Killed a dread lich
460472 | Zig:21   | Killed a dread lich
460472 | Zig:21   | Killed an ancient lich
460472 | Zig:21   | Killed an ancient lich
460472 | Zig:21   | Killed a dread lich
460472 | Zig:21   | Killed an ancient lich
460472 | Zig:21   | Killed an ancient lich
460472 | Zig:21   | Killed a dread lich
460472 | Zig:21   | Killed an ancient lich
460472 | Zig:21   | Killed a dread lich
460472 | Zig:21   | Killed a dread lich
460472 | Zig:21   | Killed an ancient lich
460472 | Zig:21   | Killed a dread lich
460472 | Zig:21   | Killed a dread lich
460472 | Zig:21   | Killed a dread lich
460472 | Zig:21   | Killed an ancient lich
460472 | Zig:21   | Killed an ancient lich
460472 | Zig:21   | Killed a dread lich
460472 | Zig:21   | Killed a dread lich
460472 | Zig:21   | Killed a dread lich
460472 | Zig:21   | Killed an ancient lich
460472 | Zig:21   | Noticed a dread lich
460472 | Zig:21   | Noticed an ancient lich
460472 | Zig:21   | Noticed a dread lich
460473 | Zig:21   | Noticed an ancient lich
460473 | Zig:21   | Killed an ancient lich
460473 | Zig:21   | Killed an ancient lich
460473 | Zig:21   | Killed an ancient lich
460473 | Zig:21   | Killed a dread lich
460473 | Zig:21   | Killed a dread lich
460473 | Zig:21   | Killed an ancient lich
460473 | Zig:21   | Killed a dread lich
460473 | Zig:21   | Killed an ancient lich
460473 | Zig:21   | Killed a dread lich
460473 | Zig:21   | Killed an ancient lich
460473 | Zig:21   | Killed a dread lich
460473 | Zig:21   | Killed an ancient lich
460473 | Zig:21   | Killed an ancient lich
460473 | Zig:21   | Killed an ancient lich
460473 | Zig:21   | Noticed an ancient lich
460473 | Zig:21   | Noticed a dread lich
460473 | Zig:21   | Noticed an ancient lich
460473 | Zig:21   | Noticed an ancient lich
460473 | Zig:21   | Noticed a dread lich
460473 | Zig:21   | Noticed a dread lich
460473 | Zig:21   | Noticed an ancient lich
460476 | Zig:21   | Noticed a dread lich
460476 | Zig:21   | Noticed an ancient lich
460476 | Zig:21   | Noticed a dread lich
460476 | Zig:21   | Noticed a dread lich
460476 | Zig:21   | Noticed a dread lich
460476 | Zig:21   | Noticed a dread lich
460477 | Zig:21   | Noticed an ancient lich
460477 | Zig:21   | Noticed a dread lich
460477 | Zig:21   | Noticed an ancient lich
460477 | Zig:21   | Noticed a dread lich
460478 | Zig:21   | Noticed an ancient lich
460478 | Zig:21   | Noticed a dread lich
460478 | Zig:21   | Noticed an ancient lich
460478 | Zig:21   | Noticed an ancient lich
460478 | Zig:21   | Noticed a dread lich
460478 | Zig:21   | Noticed an ancient lich
460478 | Zig:21   | Noticed a dread lich
460478 | Zig:21   | Noticed a dread lich
460479 | Zig:21   | Killed a dread lich
460479 | Zig:21   | Killed a dread lich
460479 | Zig:21   | Killed a dread lich
460479 | Zig:21   | Killed a dread lich
460479 | Zig:21   | Killed a dread lich
460479 | Zig:21   | Noticed a dread lich
460479 | Zig:21   | Noticed an ancient lich
460480 | Zig:21   | Killed an ancient lich
460480 | Zig:21   | Killed a dread lich
460480 | Zig:21   | Killed an ancient lich
460480 | Zig:21   | Killed an ancient lich
460480 | Zig:21   | Killed an ancient lich
460480 | Zig:21   | Killed an ancient lich
460480 | Zig:21   | Killed a dread lich
460480 | Zig:21   | Killed an ancient lich
460480 | Zig:21   | Killed a dread lich
460480 | Zig:21   | Killed an ancient lich
460480 | Zig:21   | Killed a dread lich
460480 | Zig:21   | Killed an ancient lich
460480 | Zig:21   | Killed an ancient lich
460480 | Zig:21   | Killed a dread lich
460480 | Zig:21   | Killed a dread lich
460480 | Zig:21   | Killed a dread lich
460480 | Zig:21   | Killed a dread lich
460480 | Zig:21   | Killed an ancient lich
460480 | Zig:21   | Killed an ancient lich
460480 | Zig:21   | Killed an ancient lich
460480 | Zig:21   | Noticed a dread lich
460480 | Zig:21   | Noticed a dread lich
460480 | Zig:21   | Noticed an ancient lich
460480 | Zig:21   | Noticed an ancient lich
460481 | Zig:21   | Noticed an ancient lich
460482 | Zig:21   | Noticed an ancient lich
460482 | Zig:21   | Noticed a dread lich
460482 | Zig:21   | Noticed a dread lich
460482 | Zig:21   | Noticed a dread lich
460482 | Zig:21   | Noticed a dread lich
460482 | Zig:21   | Killed a dread lich
460482 | Zig:21   | Noticed an ancient lich
460482 | Zig:21   | Noticed an ancient lich
460483 | Zig:21   | Noticed a dread lich
460483 | Zig:21   | Killed a dread lich
460483 | Zig:21   | Killed a dread lich
460483 | Zig:21   | Killed an ancient lich
460483 | Zig:21   | Killed an ancient lich
460483 | Zig:21   | Killed an ancient lich
460484 | Zig:21   | Killed a dread lich
460484 | Zig:21   | Killed a dread lich
460484 | Zig:21   | Killed a dread lich
460484 | Zig:21   | Killed an ancient lich
460484 | Zig:21   | Killed an ancient lich
460484 | Zig:21   | Killed a dread lich
460484 | Zig:21   | Killed a dread lich
460484 | Zig:21   | Killed a dread lich
460484 | Zig:21   | Killed a dread lich
460484 | Zig:21   | Killed an ancient lich
460484 | Zig:21   | Killed an ancient lich
460485 | Zig:21   | Noticed a dread lich
460485 | Zig:21   | Noticed a dread lich
460485 | Zig:21   | Noticed a dread lich
460485 | Zig:21   | Noticed an ancient lich
460485 | Zig:21   | Noticed a dread lich
460486 | Zig:21   | Noticed an ancient lich
460486 | Zig:21   | Noticed an ancient lich
460486 | Zig:21   | Noticed a dread lich
460486 | Zig:21   | Noticed an ancient lich
460486 | Zig:21   | Noticed a dread lich
460486 | Zig:21   | Noticed a dread lich
460486 | Zig:21   | Noticed a dread lich
460486 | Zig:21   | Noticed a dread lich
460486 | Zig:21   | Noticed an ancient lich
460487 | Zig:21   | Noticed a dread lich
460487 | Zig:21   | Noticed an ancient lich
460487 | Zig:21   | Noticed a dread lich
460488 | Zig:21   | Noticed a dread lich
460488 | Zig:21   | Noticed a dread lich
460488 | Zig:21   | Killed a dread lich
460489 | Zig:21   | Killed a dread lich
460490 | Zig:21   | Killed a dread lich
460490 | Zig:21   | Killed an ancient lich
460490 | Zig:21   | Killed a dread lich
460490 | Zig:21   | Killed a dread lich
460490 | Zig:21   | Killed an ancient lich
460490 | Zig:21   | Killed a dread lich
460490 | Zig:21   | Killed a dread lich
460492 | Zig:21   | Killed an ancient lich
460492 | Zig:21   | Killed an ancient lich
460492 | Zig:21   | Killed a dread lich
460492 | Zig:21   | Killed an ancient lich
460492 | Zig:21   | Killed a dread lich
460492 | Zig:21   | Killed a dread lich
460492 | Zig:21   | Killed a dread lich
460492 | Zig:21   | Killed a dread lich
460492 | Zig:21   | Killed an ancient lich
460494 | Zig:21   | Noticed a dread lich
460496 | Zig:21   | Killed a dread lich
460497 | Zig:21   | Killed a dread lich
460497 | Zig:21   | Killed a dread lich
460497 | Zig:21   | Noticed a dread lich
460499 | Zig:21   | Noticed a dread lich
460499 | Zig:21   | Noticed a dread lich
460502 | Zig:21   | Noticed a dread lich
460506 | Zig:21   | Killed a dread lich
460506 | Zig:21   | Killed a dread lich
460506 | Zig:21   | Killed a dread lich
460506 | Zig:21   | Killed a dread lich
460728 | Zig:21   | Identified the +3 buckler of the Wary Olives {*Corrode
                  | rElec rN++}
460730 | Zig:21   | Identified the +1 rapier "Faekah Yhali" {freeze, *Noise
                  | rElec Str+3 Int+3}
460742 | Zig:21   | Identified the +8 shadow dragon scales of Tabeas {Will-
                  | Regen+ Int+2 Stlth++++}
460743 | Zig:21   | Identified the staff of fire "Icseptit" {rF+ rN+}
460745 | Zig:21   | Identified the staff of death "Oghenixe" {Fragile Fly rF+
                  | rN+ Dex+3}
460753 | Zig:21   | Identified the +0 chain mail "Heryacic" {rN+}
460803 | Zig:21   | Identified the +9 short sword "Boptoci" {freeze, rElec rF+
                  | Dex+3}
460804 | Zig:21   | Identified the amulet "Anog" {RegenMP Int+2 Dex+8 Slay-6}
461512 | Zig:22   | Entered Level 22 of a ziggurat
461512 | Zig:22   | Noticed a royal mummy
461512 | Zig:22   | Noticed a royal mummy
461512 | Zig:22   | Noticed a royal mummy
461512 | Zig:22   | Noticed a royal mummy
461512 | Zig:22   | Noticed a royal mummy
461512 | Zig:22   | Noticed a royal mummy
461512 | Zig:22   | Noticed a royal mummy
461512 | Zig:22   | Noticed a royal mummy
461512 | Zig:22   | Noticed a royal mummy
461512 | Zig:22   | Noticed a royal mummy
461512 | Zig:22   | Noticed a royal mummy
461513 | Zig:22   | Noticed a royal mummy
461513 | Zig:22   | Noticed a royal mummy
461513 | Zig:22   | Noticed a royal mummy
461514 | Zig:22   | Noticed a royal mummy
461514 | Zig:22   | Noticed a royal mummy
461515 | Zig:22   | Noticed a royal mummy
461516 | Zig:22   | Killed a royal mummy
461516 | Zig:22   | Killed a royal mummy
461516 | Zig:22   | Killed a royal mummy
461516 | Zig:22   | Killed a royal mummy
461516 | Zig:22   | Killed a royal mummy
461516 | Zig:22   | Killed a royal mummy
461516 | Zig:22   | Killed a royal mummy
461516 | Zig:22   | Killed a royal mummy
461517 | Zig:22   | Noticed a royal mummy
461517 | Zig:22   | Noticed a royal mummy
461517 | Zig:22   | Noticed a royal mummy
461517 | Zig:22   | Noticed a royal mummy
461517 | Zig:22   | Noticed a royal mummy
461517 | Zig:22   | Noticed a royal mummy
461517 | Zig:22   | Noticed a royal mummy
461517 | Zig:22   | Noticed a royal mummy
461518 | Zig:22   | Noticed a royal mummy
461518 | Zig:22   | Noticed a royal mummy
461519 | Zig:22   | Noticed a royal mummy
461519 | Zig:22   | Noticed a royal mummy
461519 | Zig:22   | Noticed a royal mummy
461519 | Zig:22   | Noticed a royal mummy
461519 | Zig:22   | Noticed a royal mummy
461519 | Zig:22   | Noticed a royal mummy
461519 | Zig:22   | Noticed a royal mummy
461520 | Zig:22   | Killed a royal mummy
461520 | Zig:22   | Killed a royal mummy
461520 | Zig:22   | Killed a royal mummy
461520 | Zig:22   | Killed a royal mummy
461520 | Zig:22   | Killed a royal mummy
461520 | Zig:22   | Killed a royal mummy
461520 | Zig:22   | Killed a royal mummy
461520 | Zig:22   | Killed a royal mummy
461520 | Zig:22   | Killed a royal mummy
461520 | Zig:22   | Killed a royal mummy
461520 | Zig:22   | Killed a royal mummy
461520 | Zig:22   | Killed a royal mummy
461520 | Zig:22   | Killed a royal mummy
461520 | Zig:22   | Killed a royal mummy
461520 | Zig:22   | Killed a royal mummy
461520 | Zig:22   | Killed a royal mummy
461520 | Zig:22   | Noticed a royal mummy
461521 | Zig:22   | Noticed a royal mummy
461521 | Zig:22   | Noticed a royal mummy
461521 | Zig:22   | Noticed a royal mummy
461521 | Zig:22   | Noticed a royal mummy
461522 | Zig:22   | Killed a royal mummy
461522 | Zig:22   | Killed a royal mummy
461522 | Zig:22   | Killed a royal mummy
461522 | Zig:22   | Killed a royal mummy
461522 | Zig:22   | Killed a royal mummy
461522 | Zig:22   | Killed a royal mummy
461522 | Zig:22   | Killed a royal mummy
461522 | Zig:22   | Killed a royal mummy
461522 | Zig:22   | Killed a royal mummy
461522 | Zig:22   | Noticed a royal mummy
461522 | Zig:22   | Noticed a royal mummy
461522 | Zig:22   | Noticed a royal mummy
461523 | Zig:22   | Noticed a royal mummy
461523 | Zig:22   | Noticed a royal mummy
461523 | Zig:22   | Noticed a royal mummy
461523 | Zig:22   | Noticed a royal mummy
461524 | Zig:22   | Noticed a royal mummy
461525 | Zig:22   | Noticed a royal mummy
461525 | Zig:22   | Noticed a royal mummy
461525 | Zig:22   | Noticed a royal mummy
461525 | Zig:22   | Noticed a royal mummy
461525 | Zig:22   | Noticed a royal mummy
461525 | Zig:22   | Noticed a royal mummy
461525 | Zig:22   | Noticed a royal mummy
461525 | Zig:22   | Noticed a royal mummy
461525 | Zig:22   | Noticed a royal mummy
461526 | Zig:22   | Noticed a royal mummy
461526 | Zig:22   | Killed a royal mummy
461526 | Zig:22   | Noticed a royal mummy
461527 | Zig:22   | Noticed a royal mummy
461527 | Zig:22   | Noticed a royal mummy
461527 | Zig:22   | Killed a royal mummy
461527 | Zig:22   | Noticed a royal mummy
461528 | Zig:22   | Killed a royal mummy
461528 | Zig:22   | Killed a royal mummy
461528 | Zig:22   | Killed a royal mummy
461528 | Zig:22   | Killed a royal mummy
461528 | Zig:22   | Killed a royal mummy
461528 | Zig:22   | Killed a royal mummy
461528 | Zig:22   | Killed a royal mummy
461528 | Zig:22   | Killed a royal mummy
461528 | Zig:22   | Killed a royal mummy
461528 | Zig:22   | Killed a royal mummy
461528 | Zig:22   | Killed a royal mummy
461528 | Zig:22   | Killed a royal mummy
461528 | Zig:22   | Killed a royal mummy
461528 | Zig:22   | Killed a royal mummy
461528 | Zig:22   | Killed a royal mummy
461528 | Zig:22   | Killed a royal mummy
461528 | Zig:22   | Killed a royal mummy
461528 | Zig:22   | Killed a royal mummy
461528 | Zig:22   | Killed a royal mummy
461528 | Zig:22   | Killed a royal mummy
461528 | Zig:22   | Noticed a royal mummy
461528 | Zig:22   | Noticed a royal mummy
461528 | Zig:22   | Noticed a royal mummy
461529 | Zig:22   | Noticed a royal mummy
461529 | Zig:22   | Noticed a royal mummy
461529 | Zig:22   | Noticed a royal mummy
461529 | Zig:22   | Noticed a royal mummy
461529 | Zig:22   | Noticed a royal mummy
461529 | Zig:22   | Killed a royal mummy
461529 | Zig:22   | Killed a royal mummy
461529 | Zig:22   | Killed a royal mummy
461529 | Zig:22   | Killed a royal mummy
461529 | Zig:22   | Noticed a royal mummy
461529 | Zig:22   | Noticed a royal mummy
461529 | Zig:22   | Noticed a royal mummy
461529 | Zig:22   | Noticed a royal mummy
461530 | Zig:22   | Noticed a royal mummy
461530 | Zig:22   | Noticed a royal mummy
461530 | Zig:22   | Noticed a royal mummy
461530 | Zig:22   | Noticed a royal mummy
461531 | Zig:22   | Noticed a royal mummy
461531 | Zig:22   | Noticed a royal mummy
461531 | Zig:22   | Noticed a royal mummy
461533 | Zig:22   | Noticed a royal mummy
461533 | Zig:22   | Noticed a royal mummy
461533 | Zig:22   | Noticed a royal mummy
461534 | Zig:22   | Killed a royal mummy
461534 | Zig:22   | Killed a royal mummy
461534 | Zig:22   | Killed a royal mummy
461534 | Zig:22   | Killed a royal mummy
461534 | Zig:22   | Killed a royal mummy
461534 | Zig:22   | Killed a royal mummy
461534 | Zig:22   | Killed a royal mummy
461534 | Zig:22   | Killed a royal mummy
461534 | Zig:22   | Killed a royal mummy
461534 | Zig:22   | Killed a royal mummy
461534 | Zig:22   | Killed a royal mummy
461534 | Zig:22   | Killed a royal mummy
461534 | Zig:22   | Killed a royal mummy
461534 | Zig:22   | Killed a royal mummy
461534 | Zig:22   | Killed a royal mummy
461534 | Zig:22   | Noticed a royal mummy
461534 | Zig:22   | Noticed a royal mummy
461534 | Zig:22   | Noticed a royal mummy
461535 | Zig:22   | Killed a royal mummy
461535 | Zig:22   | Killed a royal mummy
461535 | Zig:22   | Killed a royal mummy
461535 | Zig:22   | Killed a royal mummy
461535 | Zig:22   | Killed a royal mummy
461535 | Zig:22   | Killed a royal mummy
461535 | Zig:22   | Killed a royal mummy
461535 | Zig:22   | Killed a royal mummy
461535 | Zig:22   | Killed a royal mummy
461535 | Zig:22   | Killed a royal mummy
461535 | Zig:22   | Killed a royal mummy
461536 | Zig:22   | Noticed a royal mummy
461536 | Zig:22   | Noticed a royal mummy
461536 | Zig:22   | Noticed a royal mummy
461537 | Zig:22   | Noticed a royal mummy
461537 | Zig:22   | Noticed a royal mummy
461537 | Zig:22   | Noticed a royal mummy
461538 | Zig:22   | Noticed a royal mummy
461538 | Zig:22   | Noticed a royal mummy
461538 | Zig:22   | Noticed a royal mummy
461538 | Zig:22   | Noticed a royal mummy
461539 | Zig:22   | Noticed a royal mummy
461539 | Zig:22   | Noticed a royal mummy
461539 | Zig:22   | Noticed a royal mummy
461540 | Zig:22   | Noticed a royal mummy
461540 | Zig:22   | Killed a royal mummy
461540 | Zig:22   | Noticed a royal mummy
461541 | Zig:22   | Noticed a royal mummy
461541 | Zig:22   | Noticed a royal mummy
461541 | Zig:22   | Noticed a royal mummy
461541 | Zig:22   | Killed a royal mummy
461541 | Zig:22   | Killed a royal mummy
461541 | Zig:22   | Killed a royal mummy
461541 | Zig:22   | Noticed a royal mummy
461542 | Zig:22   | Killed a royal mummy
461542 | Zig:22   | Killed a royal mummy
461542 | Zig:22   | Killed a royal mummy
461542 | Zig:22   | Killed a royal mummy
461542 | Zig:22   | Killed a royal mummy
461542 | Zig:22   | Noticed a royal mummy
461542 | Zig:22   | Noticed a royal mummy
461542 | Zig:22   | Noticed a royal mummy
461543 | Zig:22   | Noticed a royal mummy
461543 | Zig:22   | Noticed a royal mummy
461543 | Zig:22   | Noticed a royal mummy
461543 | Zig:22   | Noticed a royal mummy
461544 | Zig:22   | Noticed a royal mummy
461544 | Zig:22   | Noticed a royal mummy
461545 | Zig:22   | Killed a royal mummy
461545 | Zig:22   | Killed a royal mummy
461545 | Zig:22   | Killed a royal mummy
461545 | Zig:22   | Killed a royal mummy
461545 | Zig:22   | Killed a royal mummy
461545 | Zig:22   | Noticed a royal mummy
461547 | Zig:22   | Noticed a royal mummy
461548 | Zig:22   | Killed a royal mummy
461548 | Zig:22   | Killed a royal mummy
461548 | Zig:22   | Killed a royal mummy
461548 | Zig:22   | Killed a royal mummy
461548 | Zig:22   | Killed a royal mummy
461548 | Zig:22   | Killed a royal mummy
461548 | Zig:22   | Killed a royal mummy
461548 | Zig:22   | Killed a royal mummy
461548 | Zig:22   | Killed a royal mummy
461548 | Zig:22   | Killed a royal mummy
461548 | Zig:22   | Killed a royal mummy
461548 | Zig:22   | Noticed a royal mummy
461549 | Zig:22   | Noticed a royal mummy
461549 | Zig:22   | Noticed a royal mummy
461549 | Zig:22   | Noticed a royal mummy
461549 | Zig:22   | Noticed a royal mummy
461550 | Zig:22   | Noticed a royal mummy
461550 | Zig:22   | Noticed a royal mummy
461550 | Zig:22   | Noticed a royal mummy
461552 | Zig:22   | Killed a royal mummy
461552 | Zig:22   | Killed a royal mummy
461552 | Zig:22   | Killed a royal mummy
461552 | Zig:22   | Killed a royal mummy
461552 | Zig:22   | Killed a royal mummy
461552 | Zig:22   | Killed a royal mummy
461552 | Zig:22   | Killed a royal mummy
461552 | Zig:22   | Killed a royal mummy
461552 | Zig:22   | Killed a royal mummy
461552 | Zig:22   | Killed a royal mummy
461553 | Zig:22   | Killed a royal mummy
461553 | Zig:22   | Killed a royal mummy
461553 | Zig:22   | Killed a royal mummy
461553 | Zig:22   | Killed a royal mummy
461554 | Zig:22   | Noticed a royal mummy
461558 | Zig:22   | Killed a royal mummy
462290 | Zig:22   | Identified the +9 shortbow of Qaimoir {freeze, Str+3 Dex+3
                  | Stlth+}
462303 | Zig:22   | Identified the +1 chain mail of Parlour Games {rC+ rN++}
462313 | Zig:22   | Identified the staff of poison "Ugroatif" {rPois rF+ Will+}
462405 | Zig:23   | Entered Level 23 of a ziggurat
462413 | Zig:23   | Noticed a dread lich
462423 | Zig:23   | Killed a dread lich
462436 | Zig:23   | Killed a starcursed mass
462450 | Zig:23   | Killed a starcursed mass
462672 | Zig:23   | Identified the ring "Vusohoipt" {Contam Fly rF+ rC+ Int+6
                  | Dex+5}
462684 | Zig:23   | Identified the +5 broad axe of the Stopping Fulmar {heavy,
                  | Str+2}
462690 | Zig:23   | Identified the staff of fire "Oruxil" {*Corrode Fly rF+ rC+
                  | Int+2}
462700 | Zig:23   | Identified the +2 leather armour of the Northern Lights
                  | {rPois Str+3}
462702 | Zig:23   | Identified the ring of Xom's Sleight of Hands {rF- rN+
                  | Int+3 Dex+4}
462706 | Zig:23   | Identified the staff of death "Vifataj" {rPois rN+ Will-
                  | Str+2}
462743 | Zig:23   | Identified the +3 scale mail of the Bequeathed God {rF+}
462755 | Zig:23   | Identified the ring of Liot {rCorr Dex+3}
462805 | Zig:23   | Identified the ring "Mikhlimn" {rPois rC+ rCorr SInv}
462815 | Zig:23   | Identified the +12 dagger "Muwnuah" {flame, Will+}
462817 | Zig:23   | Identified the +12 great sword of Internal Strife {heavy,
                  | rElec}
462827 | Zig:23   | Identified the +10 long sword of Freehold {drain, rPois
                  | Will+ Str-2}
462847 | Zig:23   | Identified the +0 leather armour "Dabbedgh" {Will+ Slay+3}
463464 | Zig:23   | Identified the ring of Joima {rPois rF+}
463472 | Zig:23   | Identified the +4 long sword of Desperation {flame, Int+3}
463483 | Zig:23   | Identified the ring of Ceakkis {Drain MP+9 Int+3 Dex+2}
463484 | Zig:23   | Identified the +0 ring mail of the Tick {Rampage rElec
                  | rCorr Dex-4}
463511 | Zig:24   | Entered Level 24 of a ziggurat
463512 | Zig:24   | Noticed a dread lich
463512 | Zig:24   | Noticed an ancient lich
463512 | Zig:24   | Noticed an ancient lich
463513 | Zig:24   | Noticed a dread lich
463513 | Zig:24   | Noticed an ancient lich
463514 | Zig:24   | Noticed a dread lich
463515 | Zig:24   | Noticed a dread lich
463516 | Zig:24   | Noticed a dread lich
463516 | Zig:24   | Noticed an ancient lich
463517 | Zig:24   | Noticed a dread lich
463517 | Zig:24   | Noticed a dread lich
463517 | Zig:24   | Noticed an ancient lich
463517 | Zig:24   | Noticed a dread lich
463517 | Zig:24   | Noticed a dread lich
463517 | Zig:24   | Noticed an ancient lich
463517 | Zig:24   | Noticed an ancient lich
463518 | Zig:24   | Noticed an ancient lich
463518 | Zig:24   | Noticed a dread lich
463518 | Zig:24   | Noticed an ancient lich
463518 | Zig:24   | Noticed a dread lich
463518 | Zig:24   | Noticed an ancient lich
463519 | Zig:24   | Killed an ancient lich
463519 | Zig:24   | Killed an ancient lich
463519 | Zig:24   | Killed an ancient lich
463519 | Zig:24   | Killed a dread lich
463519 | Zig:24   | Killed a dread lich
463519 | Zig:24   | Killed a dread lich
463519 | Zig:24   | Killed a dread lich
463519 | Zig:24   | Killed an ancient lich
463519 | Zig:24   | Killed a dread lich
463519 | Zig:24   | Killed an ancient lich
463519 | Zig:24   | Killed an ancient lich
463519 | Zig:24   | Killed a dread lich
463519 | Zig:24   | Noticed a dread lich
463520 | Zig:24   | Noticed an ancient lich
463520 | Zig:24   | Noticed a dread lich
463520 | Zig:24   | Killed a dread lich
463521 | Zig:24   | Noticed a dread lich
463521 | Zig:24   | Noticed a dread lich
463521 | Zig:24   | Noticed a dread lich
463521 | Zig:24   | Killed a dread lich
463522 | Zig:24   | Killed an ancient lich
463522 | Zig:24   | Killed a dread lich
463522 | Zig:24   | Killed an ancient lich
463522 | Zig:24   | Killed an ancient lich
463522 | Zig:24   | Killed an ancient lich
463522 | Zig:24   | Killed a dread lich
463522 | Zig:24   | Killed a dread lich
463522 | Zig:24   | Noticed an ancient lich
463522 | Zig:24   | Noticed an ancient lich
463522 | Zig:24   | Noticed an ancient lich
463523 | Zig:24   | Killed an ancient lich
463523 | Zig:24   | Killed a dread lich
463523 | Zig:24   | Killed a dread lich
463523 | Zig:24   | Killed a dread lich
463523 | Zig:24   | Killed a dread lich
463523 | Zig:24   | Killed a dread lich
463523 | Zig:24   | Killed an ancient lich
463523 | Zig:24   | Killed an ancient lich
463523 | Zig:24   | Killed an ancient lich
463523 | Zig:24   | Noticed an ancient lich
463523 | Zig:24   | Noticed a dread lich
463523 | Zig:24   | Noticed an ancient lich
463523 | Zig:24   | Noticed a dread lich
463523 | Zig:24   | Noticed an ancient lich
463524 | Zig:24   | Noticed an ancient lich
463524 | Zig:24   | Noticed an ancient lich
463524 | Zig:24   | Noticed an ancient lich
463524 | Zig:24   | Noticed an ancient lich
463524 | Zig:24   | Noticed an ancient lich
463524 | Zig:24   | Noticed an ancient lich
463524 | Zig:24   | Noticed a dread lich
463524 | Zig:24   | Noticed a dread lich
463525 | Zig:24   | Noticed an ancient lich
463525 | Zig:24   | Noticed an ancient lich
463525 | Zig:24   | Noticed an ancient lich
463525 | Zig:24   | Noticed a dread lich
463526 | Zig:24   | Noticed an ancient lich
463526 | Zig:24   | Noticed an ancient lich
463526 | Zig:24   | Noticed an ancient lich
463526 | Zig:24   | Noticed an ancient lich
463527 | Zig:24   | Noticed a dread lich
463527 | Zig:24   | Noticed a dread lich
463527 | Zig:24   | Noticed a dread lich
463527 | Zig:24   | Noticed a dread lich
463528 | Zig:24   | Noticed an ancient lich
463528 | Zig:24   | Noticed a dread lich
463528 | Zig:24   | Killed an ancient lich
463528 | Zig:24   | Killed an ancient lich
463528 | Zig:24   | Killed a dread lich
463528 | Zig:24   | Killed a dread lich
463528 | Zig:24   | Killed an ancient lich
463528 | Zig:24   | Killed an ancient lich
463528 | Zig:24   | Killed an ancient lich
463528 | Zig:24   | Killed a dread lich
463529 | Zig:24   | Killed an ancient lich
463529 | Zig:24   | Killed an ancient lich
463529 | Zig:24   | Killed an ancient lich
463529 | Zig:24   | Killed an ancient lich
463529 | Zig:24   | Killed an ancient lich
463529 | Zig:24   | Killed an ancient lich
463529 | Zig:24   | Killed a dread lich
463529 | Zig:24   | Killed an ancient lich
463529 | Zig:24   | Killed an ancient lich
463529 | Zig:24   | Killed a dread lich
463529 | Zig:24   | Killed an ancient lich
463529 | Zig:24   | Killed a dread lich
463529 | Zig:24   | Killed a dread lich
463529 | Zig:24   | Killed an ancient lich
463529 | Zig:24   | Killed a dread lich
463529 | Zig:24   | Killed an ancient lich
463529 | Zig:24   | Killed an ancient lich
463529 | Zig:24   | Killed a dread lich
463529 | Zig:24   | Killed a dread lich
463529 | Zig:24   | Noticed a dread lich
463529 | Zig:24   | Noticed a dread lich
463530 | Zig:24   | Killed a dread lich
463530 | Zig:24   | Killed a dread lich
463530 | Zig:24   | Noticed an ancient lich
463530 | Zig:24   | Noticed a dread lich
463531 | Zig:24   | Noticed an ancient lich
463531 | Zig:24   | Noticed an ancient lich
463531 | Zig:24   | Noticed an ancient lich
463531 | Zig:24   | Noticed a dread lich
463532 | Zig:24   | Noticed a dread lich
463532 | Zig:24   | Noticed an ancient lich
463532 | Zig:24   | Noticed an ancient lich
463532 | Zig:24   | Noticed an ancient lich
463532 | Zig:24   | Noticed a dread lich
463532 | Zig:24   | Noticed a dread lich
463532 | Zig:24   | Noticed a dread lich
463533 | Zig:24   | Noticed an ancient lich
463534 | Zig:24   | Noticed a dread lich
463534 | Zig:24   | Noticed a dread lich
463535 | Zig:24   | Noticed an ancient lich
463535 | Zig:24   | Noticed an ancient lich
463536 | Zig:24   | Killed an ancient lich
463536 | Zig:24   | Killed an ancient lich
463536 | Zig:24   | Killed a dread lich
463536 | Zig:24   | Killed an ancient lich
463536 | Zig:24   | Killed an ancient lich
463536 | Zig:24   | Killed an ancient lich
463536 | Zig:24   | Killed an ancient lich
463536 | Zig:24   | Killed a dread lich
463536 | Zig:24   | Killed an ancient lich
463536 | Zig:24   | Noticed an ancient lich
463536 | Zig:24   | Noticed an ancient lich
463537 | Zig:24   | Noticed an ancient lich
463537 | Zig:24   | Noticed an ancient lich
463537 | Zig:24   | Noticed a dread lich
463537 | Zig:24   | Noticed a dread lich
463537 | Zig:24   | Noticed a dread lich
463537 | Zig:24   | Noticed a dread lich
463537 | Zig:24   | Noticed an ancient lich
463537 | Zig:24   | Killed a dread lich
463537 | Zig:24   | Killed an ancient lich
463538 | Zig:24   | Noticed a dread lich
463538 | Zig:24   | Noticed an ancient lich
463538 | Zig:24   | Noticed a dread lich
463538 | Zig:24   | Noticed an ancient lich
463538 | Zig:24   | Noticed an ancient lich
463538 | Zig:24   | Noticed an ancient lich
463538 | Zig:24   | Killed an ancient lich
463539 | Zig:24   | Killed a dread lich
463539 | Zig:24   | Killed a dread lich
463539 | Zig:24   | Killed an ancient lich
463539 | Zig:24   | Killed a dread lich
463539 | Zig:24   | Killed an ancient lich
463539 | Zig:24   | Killed an ancient lich
463539 | Zig:24   | Killed a dread lich
463539 | Zig:24   | Killed a dread lich
463539 | Zig:24   | Killed a dread lich
463540 | Zig:24   | Killed an ancient lich
463540 | Zig:24   | Killed an ancient lich
463540 | Zig:24   | Killed a dread lich
463540 | Zig:24   | Killed a dread lich
463540 | Zig:24   | Killed an ancient lich
463540 | Zig:24   | Killed an ancient lich
463540 | Zig:24   | Killed an ancient lich
463540 | Zig:24   | Noticed a dread lich
463540 | Zig:24   | Noticed a dread lich
463540 | Zig:24   | Noticed a dread lich
463540 | Zig:24   | Noticed a dread lich
463541 | Zig:24   | Noticed a dread lich
463541 | Zig:24   | Killed a dread lich
463541 | Zig:24   | Killed an ancient lich
463541 | Zig:24   | Noticed a dread lich
463542 | Zig:24   | Noticed a dread lich
463542 | Zig:24   | Noticed an ancient lich
463543 | Zig:24   | Noticed an ancient lich
463544 | Zig:24   | Noticed a dread lich
463544 | Zig:24   | Noticed a dread lich
463544 | Zig:24   | Noticed an ancient lich
463545 | Zig:24   | Killed a dread lich
463545 | Zig:24   | Killed a dread lich
463545 | Zig:24   | Killed an ancient lich
463545 | Zig:24   | Killed an ancient lich
463545 | Zig:24   | Killed a dread lich
463545 | Zig:24   | Killed a dread lich
463545 | Zig:24   | Killed a dread lich
463545 | Zig:24   | Killed an ancient lich
463545 | Zig:24   | Noticed a dread lich
463546 | Zig:24   | Killed a dread lich
463546 | Zig:24   | Killed an ancient lich
463547 | Zig:24   | Killed a dread lich
463547 | Zig:24   | Killed an ancient lich
463547 | Zig:24   | Killed a dread lich
463547 | Zig:24   | Killed a dread lich
463547 | Zig:24   | Killed a dread lich
463547 | Zig:24   | Killed a dread lich
463547 | Zig:24   | Killed a dread lich
463547 | Zig:24   | Noticed a dread lich
463547 | Zig:24   | Noticed a dread lich
463548 | Zig:24   | Noticed a dread lich
463551 | Zig:24   | Noticed an ancient lich
463552 | Zig:24   | Noticed a dread lich
463552 | Zig:24   | Killed a dread lich
463552 | Zig:24   | Killed a dread lich
463552 | Zig:24   | Killed a dread lich
463553 | Zig:24   | Killed an ancient lich
463553 | Zig:24   | Killed a dread lich
464330 | Zig:24   | Identified the +3 leather armour of Jongadwel {rF+++}
464333 | Zig:24   | Identified the +0 leather armour of the Marlin {+Blink
                  | rPois Regen+ Dex-2}
464341 | Zig:24   | Identified the +0 demon blade "Vasob" {venom, Fragile rC+
                  | Str+7 Stlth-}
464359 | Zig:24   | Identified the ring "Nepusafa" {rPois Will+ rCorr Dex+3}
464381 | Zig:24   | Identified the +3 scale mail of the Loofah {rPois Will+
                  | MP+9}
464397 | Zig:24   | Identified the +10 broad axe of Syonguaki {protect,
                  | *Corrode rPois rN+ Int+2 SInv}
464408 | Zig:24   | Identified the +9 long sword of Beogh's Regard {freeze,
                  | *Rage rElec SInv}
464426 | Zig:24   | Identified the +0 robe "Wejih" {-Tele rElec rF++}
464430 | Zig:24   | Identified the +0 pair of gloves of the Harp {Fly Int+3}
464436 | Zig:24   | Identified the +1 steam dragon scales "Minnoquk" {Regen+
                  | Str+3}
464440 | Zig:24   | Identified the ring "Fapsisea" {rElec rN+++ EV+5 Dex-2
                  | Slay+3}
464445 | Zig:24   | Identified the amulet of the Ant {Faith +Inv rF+}
464447 | Zig:24   | Identified the +1 pair of boots "Oczot" {rF+}
464448 | Zig:24   | Identified the +1 dagger of the Battered People {heavy, rC+
                  | rN+}
464450 | Zig:24   | Identified the +1 robe of Philately {+Blink rElec rF+++
                  | Dex-5}
464472 | Zig:24   | Identified the staff of conjuration "Qaaghio" {Dex+5}
464475 | Zig:24   | Identified the +6 hand axe of Dissolution {freeze, Drain
                  | rPois Str+3}
464483 | Zig:24   | Identified the staff of fire "Xul Vosu" {rF+ rN++ Will-
                  | Str-5 Dex+9}
464487 | Zig:24   | Identified the +3 scale mail of Suxylenonk {Regen+ Str+5
                  | Int+2 Dex-3}
464552 | Zig:25   | Entered Level 25 of a ziggurat
464698 | Zig:25   | Noticed Puarhien the pandemonium lord
464703 | Zig:25   | Killed Puarhien the pandemonium lord
465456 | Zig:25   | Identified the +1 hand axe "Hagasuihae" {flame, Str+3
                  | Dex+2}
465458 | Zig:25   | Identified the amulet of the Lotus Blossom {RegenMP *Slow
                  | Int+4}
465460 | Zig:25   | Identified the +6 halberd of Abomination {flame, Fly Str+3
                  | Dex+3}
465461 | Zig:25   | Identified the +4 troll leather armour "Ynwaxuc" {-Tele
                  | rF++ Regen+ Dex+3 SInv}
465472 | Zig:25   | Identified the +8 scale mail of the Ward {rCorr}
465475 | Zig:25   | Identified the +5 spear "Isehid" {heavy, Contam rElec rF++
                  | rCorr}
465491 | Zig:25   | Identified the +2 acid dragon scales "Corixesch" {Will-
                  | rCorr Str-3 Int+3 Slay+5}
465493 | Zig:25   | Identified the +2 robe "Mootamuc" {*Slow rN++ Will+ Str+2}
465516 | Zig:25   | Identified the staff of death "Bebitzis" {+Blink rN+ Str+3
                  | Stlth+}
465518 | Zig:25   | Identified the +0 robe of Ysan {Dex+5}
465524 | Zig:25   | Identified the +6 shortbow of Makhleb's Benevolence {drain,
                  | Str+6}
465535 | Zig:25   | Identified the +3 falchion "Daasete" {flame, Str+2}
465658 | Zig:26   | Entered Level 26 of a ziggurat
465696 | Zig:26   | Identified the +2 pair of boots "Luem Byn" {Int+2}
466512 | Zig:26   | Identified the +2 shortbow of Anger {freeze, rF+ rCorr
                  | SInv}
466524 | Zig:26   | Identified the amulet "Orepruze" {RegenMP Harm Dex+5}
466554 | Zig:26   | Identified the staff of poison "Poril" {rPois rF+ Str+4}
466563 | Zig:26   | Identified the +10 glaive "Taomam" {flame, Drain +Blink
                  | rElec Str-2}
466568 | Zig:26   | Identified the +7 scimitar "Qukhlatz" {flame, rElec rPois
                  | Will+ SInv}
466572 | Zig:26   | Identified the amulet of Wiwunes {Regen+ Int+3 Stlth+}
466577 | Zig:26   | Identified the +1 hand axe "Newtbane" {drain, rElec Will+
                  | MP+9}
466578 | Zig:26   | Identified the +0 dire flail "Ultimatum" {speed, MP+9}
466682 | Zig:27   | Entered Level 27 of a ziggurat
466729 | Zig:27   | Noticed an ancient lich
466732 | Zig:27   | Killed an ancient lich
466740 | Zig:27   | Noticed an ancient lich
466744 | Zig:27   | Killed an ancient lich
466765 | Zig:27   | aesen: is this the last one
466771 | Zig:27   | shadowrider38: yep
467123 | Zig:27   | Identified the +9 battleaxe "Mutseiz" {flame, Str+5}
467125 | Zig:27   | Identified the staff of cold "Lalaysym" {rC+ Str+4}
467126 | Zig:27   | Identified the ring of the Raven {Wiz Str+4}
467128 | Zig:27   | Identified the amulet "Gudufira" {Faith rElec rF+ rC-
                  | Regen+}
467130 | Zig:27   | Identified the staff of death "Sidoq" {rN+ Str+4}
467136 | Zig:27   | Identified the amulet of Kaeghela {RegenMP rF+ Dex+3}
467141 | Zig:27   | Identified the +4 scale mail "Suimu" {Harm rCorr}
467143 | Zig:27   | Identified the +0 scale mail of the Chupacabra {Regen+}
467145 | Zig:27   | Identified the orb of the Gloaming {*Rage, Drain Fly Dex+5}
467146 | Zig:27   | Identified the +10 long sword "Nisacin" {freeze, *Rage
                  | Int+7 Dex+2}
467147 | Zig:27   | Identified the staff of fire "Weump" {rF+ Int+3}
467151 | Zig:27   | Identified the staff of conjuration "Lopen" {Str+3}
467157 | Zig:27   | Identified the +3 sling of the Loving Goat {speed, Dex+2}
467158 | Zig:27   | Identified the staff of death "Yrotim" {rN+ Str+4 Dex+3}
467161 | Zig:27   | Identified the amulet of Irrepressible Laughter {Harm
                  | Regen+ Stlth+}
467168 | Zig:27   | Identified the amulet of the Thistle {Faith Will+ Str+6}
467173 | Zig:27   | Identified the +6 plate armour of Beyond {Contam rN+
                  | Slay+4}
467175 | Zig:27   | Identified the amulet of the Eagle {Will+ Regen+ Int+2}
467178 | Zig:27   | Identified the staff of conjuration "Razxeilo" {Fragile
                  | rElec rN++ Str+2}
467179 | Zig:27   | aesen: thats some loot alright
467189 | Zig:27   | Identified the +2 robe of the Good {rC- Int+6}
467192 | Zig:27   | Identified the +8 shortbow of Due Proportion {heavy, rF-
                  | rCorr Int+6}
467193 | Zig:27   | Identified the ring of Dithmenos's Delight {rPois rF+ rN+
                  | Stlth+}
467206 | Zig:27   | Identified the staff of cold "Xoosasone" {rC+ MP+9}
467209 | Zig:27   | Identified the staff of cold "Reavois" {Drain rPois rC+
                  | rN+++ Dex-2}
467215 | Zig:27   | Identified the ring "Siafunk" {Fly rN++ rCorr Int-5 Stlth+}
467218 | Zig:27   | Identified the +0 trident of the Rat {drain, Str-4 Int+3
                  | Dex+4}
467221 | Zig:27   | Identified the +10 flail "Goblinbane" {drain, rN+}
467222 | Zig:27   | Identified the +4 falchion of Fury {speed, rElec Will-
                  | Dex+2}
467226 | Zig:27   | Identified the +1 ring mail of Refuge {-Cast +Blink rElec}
467238 | Zig:27   | Identified the amulet "Pexe" {RegenMP Contam Str+3 Dex+3
                  | SInv}
467245 | Zig:27   | Identified the staff of poison "Suexofio" {rPois rC+}
467684 | Zig:27   | Identified the +3 broad axe of the Boar {antimagic, rElec
                  | Str+3}
467795 | Depths:1 | shadowrider38: whee
467795 | Depths:1 | aesen: gg
467803 | Depths:1 | shadowrider38: not yet
467803 | Depths:1 | shadowrider38: have to get the other runes
467803 | Depths:1 | aesen: lol
467803 | Depths:1 | aesen: the hardest part
467826 | Pan      | Entered Pandemonium
467826 | Pan      | Found a transporter.
467827 | Pan      | aesen: did you do tomb yet
467828 | Pan      | shadowrider38: nope
467828 | Pan      | shadowrider38: saving
467829 | Pan      | aesen: orb run tomb
467849 | Pan      | shadowrider38: why am i getting more destroyed in here
467849 | Pan      | shadowrider38: than in zig
467850 | Pan      | aesen: because youre not spamming shatter
467850 | Pan      | Found a transporter.
467948 | Pan      | Noticed Nozal the pandemonium lord
467951 | Pan      | Killed Nozal the pandemonium lord
468082 | Pan      | aesen: 412 blinks lmao
468090 | Pan      | shadowrider38: could blink all the way to the exit
468102 | Pan      | shadowrider38: dang
468102 | Pan      | shadowrider38: i should have picked those up
468112 | Pan      | aesen: yeah
468168 | Pan      | Noticed Huduil the pandemonium lord
468260 | Pan      | Acquired 728 gold pieces
468261 | Pan      | Acquired 448 gold pieces
468262 | Pan      | Acquired 584 gold pieces
468263 | Pan      | Acquired 481 gold pieces
468264 | Pan      | Acquired 862 gold pieces
468265 | Pan      | Acquired 1286 gold pieces
468266 | Pan      | Acquired 798 gold pieces
468928 | Pan      | Noticed Icyr the pandemonium lord
468929 | Pan      | Killed Icyr the pandemonium lord
468942 | Pan      | Got a demonic rune of Zot
469097 | Pan      | shadowrider38: not a single fire floor btw
469097 | Pan      | shadowrider38: none that were past level 5
469207 | Pan      | aesen: how many silence floors
469219 | Pan      | shadowrider38: none that were bad
469219 | Pan      | shadowrider38: well
469219 | Pan      | shadowrider38: i almost died in one
469219 | Pan      | aesen: lol
469219 | Pan      | shadowrider38: i banished myself last second
469219 | Pan      | shadowrider38: i had dreamshard on ig tho
469611 | Pan      | Noticed Imutiac the pandemonium lord
469613 | Pan      | Killed Imutiac the pandemonium lord
469867 | Pan      | Found an exit through the horrors of the Abyss.
469884 | Pan      | Noticed Aleqenn the pandemonium lord
469889 | Pan      | Killed Aleqenn the pandemonium lord
469928 | Pan      | shadowrider38: bruh
469928 | Pan      | shadowrider38: let me get my runes and leave
469948 | Pan      | aesen: "no" - crawl
469949 | Pan      | magipi: the big boss lords are hiding
469952 | Pan      | Noticed Weud the pandemonium lord
469955 | Pan      | Killed Weud the pandemonium lord
469959 | Pan      | aesen: dump
469981 | Pan      | shadowrider38: actually tho
469981 | Pan      | shadowrider38: this is ridiculous
469981 | Pan      | aesen: lol
470019 | Pan      | Noticed Xaejesang the pandemonium lord
470022 | Pan      | Killed Xaejesang the pandemonium lord
470045 | Pan      | Entered the realm of Lom Lobon.
470045 | Pan      | Noticed Lom Lobon
470047 | Pan      | aesen: i think you found one
470098 | Pan      | aesen: lom is just greater blizzard demon
470106 | Pan      | shadowrider38: why do my spells suck against him
470112 | Pan      | Killed Lom Lobon
470132 | Pan      | aesen: learn mcc
470140 | Pan      | aesen: ez
470152 | Pan      | Got a magical rune of Zot
470217 | Pan      | shadowrider38: i left my amnesia at home too
470236 | Pan      | Noticed Qoar the pandemonium lord
470242 | Pan      | Found a runed translucent door.
470401 | Pan      | Entered the realm of Mnoleg.
470405 | Pan      | Noticed Mnoleg
470409 | Pan      | Killed Mnoleg
470438 | Pan      | Got a glowing rune of Zot
470593 | Pan      | Found an exit through the horrors of the Abyss.
470604 | Pan      | Took an exit into the Abyss.
470604 | Abyss:5  | Escaped into the Abyss
470644 | Depths:1 | Escaped the Abyss
470898 | Depths:1 | Learned a level 8 spell: Maxwell's Capacitive Coupling
470931 | Pan      | Entered Pandemonium
470932 | Pan      | aesen: maps
470932 | Pan      | aesen: rip
471055 | Pan      | Found an exit through the horrors of the Abyss.
471171 | Pan      | Noticed Holiceb the pandemonium lord
471178 | Pan      | Killed Holiceb the pandemonium lord
471203 | Pan      | shadowrider38: dang it
471204 | Pan      | Entered the realm of Cerebov.
471231 | Pan      | Found an exit through the horrors of the Abyss.
471270 | Pan      | Found the +6 sword of Cerebov {flame}
471270 | Pan      | Noticed Cerebov
471278 | Pan      | Killed Cerebov
471299 | Pan      | Got a fiery rune of Zot
471357 | Pan      | Entered the realm of Gloorx Vloq.
471369 | Pan      | Found an exit through the horrors of the Abyss.
471803 | Pan      | Noticed Gloorx Vloq
471809 | Pan      | Killed Gloorx Vloq
471818 | Pan      | Got a dark rune of Zot
471948 | Pan      | Took an exit into the Abyss.
471948 | Abyss:5  | Escaped into the Abyss
471949 | Abyss:5  | aesen: gg
471965 | Depths:1 | Escaped the Abyss
472064 | Geh:1    | Entered Level 1 of Gehenna
472073 | Geh:1    | aesen: -scroll
472188 | Geh:4    | Noticed a dread lich
472188 | Geh:4    | Noticed an ancient lich
472188 | Geh:4    | Noticed an ancient lich
472190 | Geh:4    | Noticed a dread lich
472190 | Geh:4    | Noticed an ancient lich
472191 | Geh:4    | Killed a dread lich
472191 | Geh:4    | Killed an ancient lich
472191 | Geh:4    | Killed an ancient lich
472191 | Geh:4    | Noticed an ancient lich
472197 | Geh:4    | Killed an ancient lich
472198 | Geh:4    | Killed a dread lich
472199 | Geh:4    | Killed an ancient lich
472498 | Geh:6    | Noticed an ancient lich
472509 | Geh:6    | Killed an ancient lich
472512 | Geh:7    | Entered Level 7 of Gehenna
472649 | Geh:7    | aesen: do you have any fly
472659 | Geh:7    | aesen: thats not pvort
472893 | Geh:7    | Identified the +5 rapier of Painful Death {heavy, Dex+7}
472897 | Geh:7    | Identified the +9 short sword of Pehilofo {vamp, rElec
                  | rPois Int+3 Dex-3}
472901 | Geh:7    | Identified the +12 rapier of the Toothy God {vamp, rN+}
472902 | Geh:7    | Identified the +1 hand axe "Spiderbane" {chaos, *Rage rPois
                  | rN+++ rCorr}
472957 | Geh:7    | aesen: you got this
473077 | Geh:7    | Found the +13 sceptre of Asmodeus
473077 | Geh:7    | Noticed Asmodeus
473088 | Geh:7    | Killed Asmodeus
473112 | Geh:7    | Got an obsidian rune of Zot
473344 | Tar:1    | Entered Level 1 of Tartarus
473485 | Tar:7    | Entered Level 7 of Tartarus
473607 | Tar:7    | Noticed Ereshkigal
473616 | Tar:7    | Killed Ereshkigal
473622 | Tar:7    | Got a bone rune of Zot
473756 | Coc:1    | Entered Level 1 of Cocytus
473775 | Coc:3    | Paralysed by a wendigo for 1 turns
474001 | Coc:7    | Entered Level 7 of Cocytus
474001 | Coc:7    | Noticed an ancient lich
474010 | Coc:7    | Killed an ancient lich
474035 | Coc:7    | Paralysed by a wendigo for 1 turns
474057 | Coc:7    | Identified the amulet "Moatomm" {Reflect Dex+3 SH+5}
474057 | Coc:7    | Noticed Antaeus
474064 | Coc:7    | Killed Antaeus
474075 | Coc:7    | Got an icy rune of Zot
474226 | Dis:1    | Entered Level 1 of the Iron City of Dis
474281 | Dis:6    | Noticed an ancient lich
474281 | Dis:6    | Noticed a dread lich
474283 | Dis:6    | Killed an ancient lich
474283 | Dis:6    | Killed an ancient lich
474283 | Dis:6    | Noticed a dread lich
474283 | Dis:6    | Noticed an ancient lich
474283 | Dis:6    | Noticed a dread lich
474286 | Dis:7    | Entered Level 7 of the Iron City of Dis
474370 | Dis:7    | Noticed a juggernaut
474385 | Dis:7    | Killed a juggernaut
474393 | Dis:7    | Noticed the Serpent of Hell
474393 | Dis:7    | Noticed a juggernaut
474394 | Dis:7    | Noticed a juggernaut
474396 | Dis:7    | Killed a juggernaut
474396 | Dis:7    | Killed a juggernaut
474402 | Dis:7    | Killed the Serpent of Hell
474406 | Dis:7    | Noticed Dispater
474414 | Dis:7    | Killed Dispater
474429 | Dis:7    | Got an iron rune of Zot
474431 | Dis:7    | Identified the +7 dagger of Imeotierch {heavy, Dex+3}
474618 | Zot:1    | Entered Level 1 of the Realm of Zot
474625 | Zot:1    | Found the +4 dragonskin cloak
474625 | Zot:1    | Noticed Tiamat
474631 | Zot:1    | Killed Tiamat
474640 | Zot:1    | Noticed an orb of fire
474648 | Zot:1    | Killed an orb of fire
475182 | Zot:5    | Entered Level 5 of the Realm of Zot
475260 | Zot:5    | Noticed a dread lich
475266 | Zot:5    | Noticed an orb of fire
475266 | Zot:5    | Noticed a dread lich
475268 | Zot:5    | Noticed an orb of fire
475272 | Zot:5    | Got the Orb of Zot
475276 | Zot:5    | Noticed an orb of fire
475311 | Zot:5    | Killed an orb of fire
475314 | Zot:5    | Killed an orb of fire
475505 | Depths:2 | Noticed Jonuo the pandemonium lord
475510 | Depths:2 | Killed Jonuo the pandemonium lord
475597 | D:15     | Noticed Beski the pandemonium lord
475833 | Tomb:1   | Entered Level 1 of the Tomb of the Ancients
475852 | Tomb:1   | Noticed a royal mummy
475854 | Tomb:1   | Killed a royal mummy
475854 | Tomb:1   | Noticed a royal mummy
475854 | Tomb:1   | Noticed a royal mummy
475856 | Tomb:1   | Noticed a royal mummy
475859 | Tomb:2   | Noticed a royal mummy
475871 | Tomb:2   | Noticed a royal mummy
475873 | Tomb:3   | Entered Level 3 of the Tomb of the Ancients
475894 | Tomb:3   | Noticed a royal mummy
475895 | Tomb:3   | Noticed a royal mummy
475897 | Tomb:3   | Noticed Boris
475901 | Tomb:3   | Noticed a royal mummy
475901 | Tomb:3   | Noticed a royal mummy
475906 | Tomb:3   | Killed Boris
475906 | Tomb:3   | Killed a royal mummy
475906 | Tomb:3   | Noticed a royal mummy
475908 | Tomb:3   | Killed a royal mummy
475910 | Tomb:3   | Killed a royal mummy
475913 | Tomb:3   | Killed a royal mummy
475916 | Tomb:3   | Noticed a royal mummy
475918 | Tomb:3   | Noticed a royal mummy
475920 | Tomb:3   | Killed a royal mummy
475920 | Tomb:3   | Killed a royal mummy
475923 | Tomb:3   | Killed a royal mummy
475946 | Tomb:3   | Got a golden rune of Zot
476031 | Tomb:2   | Noticed a royal mummy
476031 | Tomb:2   | Noticed a royal mummy
476035 | Tomb:2   | Killed a royal mummy
476035 | Tomb:2   | Killed a royal mummy
476047 | Tomb:1   | Noticed a royal mummy
476548 | D:$      | Escaped with the Orb!

Illustrated notes

Levels and vault maps discovered:
D:1:      heliophobic_arrival_glass_houses, layout_loops_cross
D:2:      layout_loops_ring, hellmonk_ecumenical_altar_pennies_from_heaven
D:3:      layout_basic, grunt_temple_overflow_forces_of_nature, serial_shops,
          shop, uniq_natasha, uniq_grinder, uniq_robin
D:4:      layout_basic, minmay_temple_entry_sparse_star, gammafunk_ghost_smash,
          amcnicky_mini_rare_corridor_liquid, nicolae_wormholes, uniq_menkaure,
          uniq_ijyb
D:5:      layout_rooms, cheibriados_altar_1
D:6:      cheibrodos_fertilizer, layout_basic, nicolae_benzene_ring,
          chequers_serial_rivers_room_b, minmay_stone_trees_small, uniq_maggie,
          uniq_edmund
D:7:      layout_cave_pools, mainiacjoe_overflow_boulevard, uniq_pikel
D:8:      layout_basic, lemuel_coloured_pillars_altar,
          worldfamousw_hep_ancestral_shrine, nicolae_uskayaw_dance_hall,
          grunt_lair_entry_orc_guard_hut
D:9:      layout_loops_ring, david_orc_2, enter_bailey_4, uniq_erolcha,
          uniq_maurice
D:10:     layout_basic, yredelemnul_altar_generic, hellmonk_ghost_big_iron,
          nicolae_underground_beach
D:11:     layout_basic
D:12:     layout_loops_ring, corexii_corridor_pit, grunt_decor_clamped,
          uniq_urug
D:13:     cheibrodos_shockbox, layout_basic, gauntlet_entry_generic,
          minmay_strange_pillars, nicolae_wu_jian_immortal_techniques,
          uniq_lodul, uniq_rupert
D:14:     minmay_bubble_buster, layout_gridville,
          hangedman_vaults_entry_quadrant_bands, tso_altar, minmay_between
D:15:     hangedman_depths_entry_try_elsewhere_first, layout_cave_pools,
          nicolae_ru_the_path_less_chosen
Temple:   dpeg_chambers_temple
Lair:1:   layout_regular_city, st_stairs_13
Lair:2:   layout_loops_ring, nicolae_spider_entry_orb_guardian,
          lemuel_fruit_fields
Lair:3:   layout_misc_corridors, shoals_dummy_entry, gammafunk_ghost_hive,
          evilmike_ambush [evilmike_ambush_outer_basic,
          evilmike_ambush_inner_cross], serial_bayou_shore_a
Lair:4:   layout_hall_layers, slime_entry_1, enter_volcano_1,
          infiniplex_staircase_pool_2, uniq_snorg, uniq_kirke
Lair:5:   minmay_lair_end_frog_pond, layout_loops_ring, patterned_corridor,
          lemuel_fruit_tree
Shoals:1: layout_shoals, nzn_prometheus_bound
Shoals:2: layout_shoals, uniq_louise, uniq_nikola
Shoals:3: layout_shoals, nicolae_shoals_wave_tunnel, uniq_polyphemus,
          uniq_aizul, uniq_ilsuiw
Shoals:4: shoals_end_grunt_ice, layout_shoals
Spider:1: layout_spider_delve, nzn_ghost_randoct,
          nicolae_spider_undead_wolf_pack
Spider:2: layout_spider_delve
Spider:3: layout_cave_pods
Spider:4: grunt_spider_rune_parallel, drop_trap, uniq_bai_suzhen
Slime:1:  layout_caves
Slime:2:  layout_caves
Slime:3:  layout_caves
Slime:4:  layout_caves, nicolae_slime_welcoming_committee
Slime:5
Orc:1:    layout_caves, basic_altar
Orc:2:    pf_orc_diabolical, layout_diamond_mine, nicolae_orc_crystal_geode
Elf:1:    nicolae_elf_arrival_fired_up, layout_geoelf_grid, basic_altar,
          serial_shops, shop, evilmike_minifort
Elf:2:    nicolae_elf_blades_splatter_lattice [nicolae_blade_tridents],
          layout_onion_city, lightli_enter_wizlab_magi_temple, serial_shops,
          shop, nicolae_trove_entry_path_of_doom, minivault_25_ag, uniq_agnes,
          uniq_zenata
Elf:3:    minmay_elf_hall_hex, layout_onion_city, gammafunk_ghost_ooze
Vaults:1: nicolae_vaults_antechamber_and_loot_room, nicolae_vaults_trapezoid_2,
          v_misc_23, nicolae_vaults_shrinking_rooms_1,
          vaults_standard_mumra_enter_the_diamond, hangedman_vaults_pinch,
          nicolae_vaults_circle_grid_b, ontoclasm_vaults_hangar, v_misc_2,
          nicolae_vaults_more_shelving_2, nicolae_vaults_specimen_jars,
          grunt_vaults_diagonal, nicolae_vaults_asterisk,
          layout_vaults_omnicross
Vaults:2: nicolae_vaults_network_periphery, nicolae_vaults_double_plus_2,
          vaults_standard_mumra_x, grunt_vaults_hallway_long, vaults_dpeg_cross,
          v_misc_27, ontoclasm_vaults_loading_screen, v_misc_15, v_rooms_1,
          v_misc_30, layout_vaults_big_room
Vaults:3: minmay_crypt_entry_simple_box, v_misc_28, v_rooms_6,
          nicolae_vaults_surprise_closet, nicolae_vaults_little_squares_3,
          ontoclasm_vaults_shuriken, nicolae_vaults_three_branches,
          layout_vaults_omnigrid, serial_shops, shop_fountains, shop,
          nicolae_shop_pleasant_corner_grove
Vaults:4: portal_desolation_entry_garden, nicolae_vaults_asterisk,
          ontoclasm_vaults_tryst, v_alt_pattern_3,
          nicolae_vaults_twisting_passages, v_rooms_4, v_alt_pattern_3,
          hangedman_vaults_stagger, v_misc_12, nicolae_vaults_tangram_2,
          nicolae_vaults_taking_the_gang_shopping, vaults_room_pool,
          nicolae_vaults_tetromino_Z_1, layout_vaults_ring, uniq_boris,
          uniq_mennas, uniq_margery
Vaults:5: serial_shops
Crypt:1:  layout_gridlike, grunt_ministairs_2
Crypt:2:  layout_regular_city, roderic_lattice_octagonal_star
Crypt:3:  lightli_unholy_cathedral, layout_chaotic_city,
          minmay_guarded_unrand_skullcrusher, uniq_vv
Tomb:1
Tomb:2
Tomb:3
Depths:1: grunt_twisty_corner, layout_cave_shapes, enter_ziggurat_d,
          lightli_too_deep, abyss_entry_flame_altar,
          gammafunk_ghost_tricky_traps, rand_demon_pan_entry_1,
          fedhas_altar_fruit_tree, nicolae_shop_i_like_small_books_too,
          nicolae_sif_muna_little_library
Depths:2: hangedman_cross_cluster, layout_gridlike, hell_entry, pan_entry,
          minmay_misc_feat_more_columns
Depths:3: minmay_the_grid_triangle_9x9_recursive_3_mashed
          [minmay_the_grid_triangle_9x9_checkered,
          minmay_the_grid_triangle_9x9_zippers_vertical,
          minmay_the_grid_triangle_9x9_corruption,
          minmay_the_grid_triangle_9x9_prize_schism,
          minmay_the_grid_triangle_9x9_steps,
          minmay_the_grid_triangle_9x9_negative_grid,
          minmay_the_grid_triangle_9x9_shrine,
          minmay_the_grid_triangle_9x9_stretched_checkered,
          minmay_the_grid_triangle_9x9_tough_junction], layout_honeycomb,
          hell_entry, roderic_filled_cross, abyss_entry, kb_rosetta,
          infiniplex_staircase_star, uniq_enchantress
Depths:4: grunt_twist_and_shout, layout_gridlike, minmay_misc_feat_four_crosses,
          hell_entry, nicolae_shop_dragon_depot, grunt_ministairs_9, uniq_jory
Hell
Dis:1:    nicolae_dis_array, layout_regular_city, door_vault
Dis:2:    layout_jigsaw
Dis:3:    nicolae_hells_demon_pit, layout_gridville
Dis:4:    layout_subdivisions
Dis:5:    layout_gridville, serial_glass, glass_columns_a, glass_columns_c
Dis:6:    layout_jigsaw, nicolae_dis_liches_on_tour
Dis:7:    dis_grunt_layers
Geh:1:    layout_gehenna_pools_basic
Geh:2:    layout_gehenna_lava_caves
Geh:3:    layout_gehenna_pools_basic
Geh:4:    layout_gehenna_pools_triple, nicolae_hells_leichenhalle
Geh:5:    layout_gehenna_lava_caves
Geh:6:    layout_gehenna_lava_caves
Geh:7:    evilmike_geh
Coc:1:    layout_cocytus_delve
Coc:2:    layout_ice_bergs
Coc:3:    layout_ice_bergs
Coc:4:    layout_cocytus_water_paths
Coc:5:    layout_cocytus_water_paths
Coc:6:    layout_ice_bergs
Coc:7:    coc_grunt
Tar:1:    layout_catacombs, nicolae_tar_honey_rotating
Tar:2:    layout_catacombs
Tar:3:    layout_grid_maze
Tar:4:    layout_honeycomb, lemuel_nasty_fountain
Tar:5:    layout_catacombs
Tar:6:    layout_grid_maze
Tar:7:    tar_mu [tar_mu_maze]
Zot:1:    hangedman_orp_of_zott, layout_onion_interference, zot_minivault_2,
          uniq_josephina, uniq_tiamat
Zot:2:    kennysheep_oblong_rooms, layout_concentric_octagons,
          st_single_dragon_hoard_2
Zot:3:    layout_misc_corridors
Zot:4:    layout_misc_corridors, grunt_megastairs_1, lemuel_elevator
Zot:5:    layout_basic, nicolae_transmutations_shop, st_stairs_14

Skill      XL: |  1  2  3  4  5  6  7  8  9 10 11 12 13 14 15 16 17 18 19 20 21 22 23 24 25 26 27 |
---------------+----------------------------------------------------------------------------------+-----
Ice Magic      | 4 5 6 8 9 10 11 12 14 15 16 18 20 21 22 24 27 | 27.0
Spellcasting   | 4 5 6 7 9 10 11 12 13 14 15 16 17 18 20 21 27 | 27.0
Fighting       | 1 3 4 5 7 11 14 15 16 18 20 27 | 27.0
Summonings     | 2 4 6 27 | 27.0
Armour         | 3 5 27 | 27.0
Conjurations   | 5 7 8 10 27 | 27.0
Air Magic      | 4 6 8 27 | 27.0
Shields        | 4 8 10 27 | 27.0
Transmutations | 8 10 12 15 27 | 27.0
Dodging        | 4 27 | 27.0
Evocations     | 5 14 27 | 27.0
Earth Magic    | 6 9 11 27 | 27.0
Necromancy     | 9 14 15 27 | 27.0
Translocations | 5 27 | 27.0
Fire Magic     | 27 | 27.0
Throwing       | 27 | 27.0
Polearms       | 27 | 27.0
Stealth        | 27 | 27.0
Staves         | 27 | 27.0
Ranged Weapons | 27 | 27.0
Short Blades   | 27 | 27.0
Unarmed Combat | 27 | 27.0
Poison Magic   | 27 | 27.0
Hexes          | 27 | 27.0
Axes           | 27 | 27.0
Long Blades    | 27 | 27.0
Maces & Flails | 27 | 27.0
Invocations    | 27 | 27.0

Action                     |  1- 3 |  4- 6 |  7- 9 | 10-12 | 13-15 | 16-18 | 19-21 | 22-24 | 25-27 || total
---------------------------+-------+-------+-------+-------+-------+-------+-------+-------+-------++-------
  Melee: Dagger            |     7 |    22 |   164 |    16 |       |       |       |       |       ||   209
         Spear             |     1 |       |       |   186 |    60 |    10 |       |       |       ||   257
         Punch             |       |     2 |       |     1 |     3 |       |       |       |       ||     6
         Glaive            |       |       |       |    33 |       |       |       |       |       ||    33
         Touch             |       |       |       |    31 |    22 |       |       |       |       ||    53
         Demon trident     |       |       |       |       |   180 |       |       |       |       ||   180
         Hand axe          |       |       |       |       |    17 |    43 |    55 |    80 |    34 ||   229
         Headbutt          |       |       |       |       |       |       |       |     3 |   119 ||   122
         Staff             |       |       |       |       |       |       |       |       |  1677 ||  1677
         Flail             |       |       |       |       |       |       |       |       |    14 ||    14
   Fire: Greatsling        |       |       |       |       |       |       |       |       |    12 ||    12
  Throw: Dart              |       |       |       |       |     1 |       |       |       |       ||     1
         Javelin           |       |       |       |       |       |       |       |       |   345 ||   345
   Cast: Freeze            |    60 |    26 |    45 |     4 |       |       |       |       |       ||   135
         Frozen Ramparts   |     1 |    15 |    46 |    56 |    63 |     9 |     3 |       |       ||   193
         Ozocubu's Armour  |     1 |    11 |    37 |    45 |    65 |     7 |     4 |       |       ||   170
         Summon Ice Beast  |       |       |    22 |    60 |    50 |     8 |     4 |       |       ||   144
         Freezing Cloud    |       |       |       |    14 |   192 |    38 |    34 |     1 |       ||   279
         Ozocubu's Refrige |       |       |       |       |    64 |   670 |   373 |    20 |    28 ||  1155
         Irradiate         |       |       |       |       |       |    25 |    88 |    24 |    39 ||   176
         Polar Vortex      |       |       |       |       |       |       |    91 |   207 |  2018 ||  2316
         Statue Form       |       |       |       |       |       |       |    10 |    89 |   106 ||   205
         Passwall          |       |       |       |       |       |       |       |     1 |     1 ||     2
         Passage of Golubr |       |       |       |       |       |       |       |       |   201 ||   201
         Necromutation     |       |       |       |       |       |       |       |       |   879 ||   879
         Ignition          |       |       |       |       |       |       |       |       |  2599 ||  2599
         Chain Lightning   |       |       |       |       |       |       |       |       |  2562 ||  2562
         Shatter           |       |       |       |       |       |       |       |       |  1695 ||  1695
         Disjunction       |       |       |       |       |       |       |       |       |   188 ||   188
         Blink             |       |       |       |       |       |       |       |       |     8 ||     8
         Maxwell's Capacit |       |       |       |       |       |       |       |       |     5 ||     5
 Invoke: Potion Petition   |       |       |       |       |     1 |       |     7 |     2 |  2277 ||  2287
         Bribe Branch      |       |       |       |       |       |       |       |       |     4 ||     4
Ability: End Transformatio |       |       |       |       |       |       |       |       |    95 ||    95
         Evoke Blink       |       |       |       |       |       |       |       |       |    36 ||    36
  Evoke: Wand              |     3 |       |    11 |     7 |     2 |     2 |       |       |    13 ||    38
         Phantom mirror    |       |       |       |       |     1 |     2 |     1 |     1 |     1 ||     6
         Box of beasts     |       |       |       |       |     1 |     1 |       |       |     2 ||     4
         Phial of floods   |       |       |       |       |       |     2 |       |     2 |     3 ||     7
         Lightning rod     |       |       |       |       |       |     2 |       |       |     5 ||     7
         Figurine of a zig |       |       |       |       |       |       |       |       |    26 ||    26
         Condenser vane    |       |       |       |       |       |       |       |       |    16 ||    16
    Use: Scroll            |     3 |     3 |     9 |    10 |    16 |     6 |     6 |     3 |   225 ||   281
         Potion            |       |       |     1 |     1 |     4 |     4 |     8 |     4 |   193 ||   215
   Stab: Distracted        |       |       |     1 |       |     1 |     1 |     2 |       |    34 ||    39
         Invisible         |       |       |       |       |       |     1 |       |       |    45 ||    46
         Sleeping          |       |       |       |       |       |       |       |       |     2 ||     2
 Armour: Robe              |     7 |    12 |    30 |       |       |       |    91 |    10 |    77 ||   227
         Swamp dragon scal |       |       |    18 |   134 |       |       |       |       |       ||   152
         Ring mail         |       |       |       |     8 |   194 |   147 |    23 |       |       ||   372
         Skin              |       |       |       |       |       |       |    25 |   452 |   605 ||  1082
         Crystal plate arm |       |       |       |       |       |       |       |       |  6337 ||  6337
         Troll leather arm |       |       |       |       |       |       |       |       |   386 ||   386
  Dodge: Dodged            |    34 |    33 |   186 |   266 |   272 |    80 |   166 |   312 |  2928 ||  4277
  Block: Other             |       |       |       |    11 |    25 |       |       |       |       ||    36
         Buckler           |       |       |       |       |   115 |    31 |    93 |   224 |   278 ||   741
         Reflection        |       |       |       |       |     7 |    29 |       |       |       ||    36
         Kite shield       |       |       |       |       |       |   168 |    43 |       |  4253 ||  4464
         Tower shield      |       |       |       |       |       |       |       |       |  4828 ||  4828
